 Seeded DCSS version 0.31-a0-744-gbc345e7fcb (webtiles) character file.

Game seed: 771392165678199492 (custom seed)

1879999 Ambrosia the Englaciator (level 27, -11/220 (258) HPs) *EXPLORE*
             Began as a Gargoyle Fighter on Apr 7, 2023.
             Was the Champion of Fedhas.
             Mangled by an emperor scorpion (14 damage)
             ... on level 20 of a ziggurat on Sept 13, 2023.
             The game lasted 1 day 04:20:08 (373714 turns).

Ambrosia the Englaciator (Gargoyle Fighter)   Turns: 373714, Time: 1 , 04:20:09

HP:   -11/220 (258) AC: -11   Str: 15 (38) XL:     27
MP:   0/54          EV:  2    Int:  6 (25) God:    Fedhas [******]
Gold: 91803         SH:  0    Dex: -19 (12)Spells: 1/80 levels left

rFire   . . .        f - +7 sceptre of Torment {pain, torment, Mass Murder}
rCold   x . .        I - +18 shield of the Gong {Loud rN+ Will+ rCorr EV-5, funny gong}
rNeg    + + +        g - +44 Cigotuvi's embrace {Corpsefed rMiasma Drain rN+, best armor in the game, I think}
rPois   ∞            o - -2 hat of the Alchemist {rElec rPois rF+ rC+ rN+ Will+ rMut rCorr, fuck mutations}
rElec   +            z - +1 cloak of Starlight {*Dazzle EV+4 Stlth--, shiny cloak}
rCorr   +            D - +0 pair of fencer's gloves {Riposte Dex+3, I don't put fences down with these}
SInv    .            i - +2 pair of slick slippers {slick, slippery, EV+4, grandma's slippers}
Will    +++++        V - amulet of the Four Winds {rN+ Will+++ Clar, I sure do love clarity} Stlth
                     d - ring "Goconythiu" {Int+7 Slay+4, INT}
HPRegen 0.56/turn    e - ring of Voysoj {rC- Will+ Str+6 Int+7, INTELLIGENCE}
MPRegen 0.34/turn

%: clarity, resist mutation
@: corroded, flying, slowed, lost dexterity, heavily drained, unable to read,
unable to drink, very slow
A: sickness immunity, AC +20, big wings, negative energy resistance 1,
electricity resistance, torment resistance 1, petrification resistance,
inability to drink after injury 2, inability to read after injury 2, no stealth,
inability to train dodging, reduced EV 1, unskilled 1, temperature sensitive,
hooves 1, robust 3
}: 15/15 runes: decaying, serpentine, slimy, silver, golden, iron, obsidian,
icy, bone, abyssal, demonic, glowing, magical, fiery, dark
a: Renounce Religion, Wall of Briars, Grow Ballistomycete, Overgrow, Grow Oklob


You were on level 20 of a ziggurat.
You worshipped Fedhas.
Fedhas was exalted by your worship.
You visited 18 branches of the dungeon, and saw 88 of its levels.
You visited Pandemonium 9 times, and saw 26 of its levels.
You visited the Abyss 32 times.
You visited 1 bazaar.
You visited 23 ziggurats (completing 21), and saw 595 of their levels.
You also visited: Trove, Ice Cave, Wizlab and Desolation.

You collected 96262 gold pieces.
You spent 4459 gold pieces at shops.

Inventory:

Hand Weapons
 a - the +7 hand cannon "Mule" {flame, backblast, rF+, pew pew pew}
   (You found it on level 12 of a ziggurat)

   rF+:       It protects you from fire.
 f - the +7 sceptre of Torment (weapon) {pain, torment, Mass Murder}
   (You found it on level 19 of a ziggurat)
 j - a +0 lajatang
 l - the +5 Lochaber axe {reach-cleave, Poleaxe Drain, vrooom}
   (You found it on level 13 of a ziggurat)

   Poleaxe:   It uses either Axes or Polearms skill, whichever is higher.
   Drain:     It drains your maximum health when unequipped.
 w - the +7 hand cannon of Thoughtfulness {drain, rCorr Dex+2 SInv}
   (You found it on level 17 of a ziggurat)

   Dex+2:     It affects your dexterity (+2).
   SInv:      It lets you see invisible.
   rCorr:     It protects you from acid and corrosion.
 R - the +6 Majin-Bo {spellvamp, MP+6 Int+6, blood suck ee}
   (You found it on level 25 of a ziggurat)

   Int+6:     It affects your intelligence (+6).
   MP+6:      It affects your magic capacity (+6).
Armour
 g - the +44 Cigotuvi's embrace (worn) {Corpsefed rMiasma Drain rN+, best armor in the game, I think}
   (You found it on level 27 of a ziggurat)

   Corpsefed: It gathers nearby corpses to temporarily increase the armour it
   provides.
   rMiasma:   It protects you from foul pestilence.
   rN+:       It protects you from negative energy.
   Drain:     It drains your maximum health when unequipped.
 i - the +2 pair of slick slippers (worn) {slick, slippery, EV+4, grandma's slippers}
   (You bought it in a shop on level 3 of the Snake Pit)

   Slick:     Its wearer cannot be constricted, engulfed, netted or webbed.
   Slippery:  Its wearer slips away from damaging melee attacks, pulling the
   attacker onward.
   EV+4:      It affects your evasion (+4).
 k - the -1 pair of gloves of Vanity {Will+}
   (You acquired it on level 9 of a ziggurat)

   Will+:     It increases your willpower.
 o - the -2 hat of the Alchemist (worn) {rElec rPois rF+ rC+ rN+ Will+ rMut rCorr, fuck mutations}
   (You found it on level 20 of a ziggurat)

   rF+:       It protects you from fire.
   rC+:       It protects you from cold.
   rElec:     It insulates you from electricity.
   rPois:     It protects you from poison rN+: It protects you from negative
   energy.
   Will+:     It increases your willpower.
   rCorr:     It protects you from acid and corrosion.
   rMut:      It protects you from mutation.
 x - the +0 ring mail of Ru's Wrath {rCorr}
   (You found it on level 17 of a ziggurat)

   rCorr:     It protects you from acid and corrosion.
 z - the +1 cloak of Starlight (worn) {*Dazzle EV+4 Stlth--, shiny cloak}
   (You found it on level 12 of a ziggurat)

   *Dazzle:   It may blind those who miss an attack against the wearer in melee
   combat.
   EV+4:      It affects your evasion (+4).
   Stlth--:   It makes you much less stealthy.
 D - the +0 pair of fencer's gloves (worn) {Riposte Dex+3, I don't put fences down with these}
   (You found it on level 27 of a ziggurat)

   Riposte:   It allows the wearer to riposte with melee weapons, swiftly
   retaliating against missed or blocked melee attacks.
   Dex+3:     It affects your dexterity (+3).
 I - the +18 shield of the Gong (worn) {Loud rN+ Will+ rCorr EV-5, funny gong}
   (You found it on level 24 of a ziggurat)

   Loud:      It is deafeningly noisy when blocking attacks.
   EV-5:      It affects your evasion (-5).
   rN+:       It protects you from negative energy.
   Will+:     It increases your willpower.
   rCorr:     It protects you from acid and corrosion.
Jewellery
 d - the ring "Goconythiu" (left hand) {Int+7 Slay+4, INT}
   (You found it on level 21 of a ziggurat)

   [ring of slaying]

   Int+7:     It affects your intelligence (+7).
   Slay+4:    It affects your accuracy & damage with ranged weapons and melee
   (+4).
 e - the ring of Voysoj (right hand) {rC- Will+ Str+6 Int+7, INTELLIGENCE}
   (You found it on level 20 of a ziggurat)

   [ring of strength]

   Str+6:     It affects your strength (+6).
   Int+7:     It affects your intelligence (+7).
   rC-:       It makes you vulnerable to cold.
   Will+:     It increases your willpower.
 h - the ring of Beineoq {Fire Drain rPois Str+2}
   (You found it on level 16 of a ziggurat)

   [ring of fire]

   Fire:      It enhances your fire magic.
   Str+2:     It affects your strength (+2).
   rF+:       It protects you from fire.
   rC-:       It makes you vulnerable to cold.
   rPois:     It protects you from poison Drain: It drains your maximum health
   when unequipped.
 p - the ring "Duthuufe" {rElec rF+ Str+5 Dex-4}
   (You found it on level 16 of a ziggurat)

   [ring of protection from fire]

   Str+5:     It affects your strength (+5).
   Dex-4:     It affects your dexterity (-4).
   rF+:       It protects you from fire.
   rElec:     It insulates you from electricity.
 B - the amulet of the Sturgeon {Spirit rN+ rCorr Int-2}
   (You found it on level 19 of a ziggurat)

   [amulet of guardian spirit]

   Spirit:    It causes incoming damage to be divided between your reserves of
   health and magic.
   Int-2:     It affects your intelligence (-2).
   rN+:       It protects you from negative energy.
   rCorr:     It protects you from acid and corrosion.
 P - the ring of Jedell {Will- Str+6 Slay+5 SInv, STR}
   (You acquired it on level 3 of the Swamp)

   [ring of strength]

   Str+6:     It affects your strength (+6).
   Slay+5:    It affects your accuracy & damage with ranged weapons and melee
   (+5).
   Will-:     It decreases your willpower.
   SInv:      It lets you see invisible.
 S - the ring of Bezofis {rElec rC- rN+ rCorr SInv}
   (You found it on level 15 of a ziggurat)

   [ring of resist corrosion]

   rC-:       It makes you vulnerable to cold.
   rElec:     It insulates you from electricity.
   rN+:       It protects you from negative energy.
   SInv:      It lets you see invisible.
   rCorr:     It protects you from acid and corrosion.
 V - the amulet of the Four Winds (around neck) {rN+ Will+++ Clar, I sure do love clarity}
   (You found it on level 13 of a ziggurat)

   [amulet of nothing]

   rN+:       It protects you from negative energy.
   Will+++:   It greatly increases your willpower.
   Clar:      It protects you from confusion, rage, mesmerisation and fear.
 Y - the ring "Oragomedyev" {Str+6 Slay+6, STR}
   (You found it on level 3 of the Crypt)

   [ring of strength]

   Str+6:     It affects your strength (+6).
   Slay+6:    It affects your accuracy & damage with ranged weapons and melee
   (+6).
Wands
 A - a wand of digging (58)
Scrolls
 b - 376 scrolls of enchant weapon
 c - 250 scrolls of enchant armour
 m - 31 scrolls of teleportation
 r - 112 scrolls of blinking
 s - 781 scrolls of identify
 t - 11 scrolls of vulnerability
 y - 38 scrolls of brand weapon
 C - 82 scrolls of amnesia
 M - 27 scrolls of torment
 X - 114 scrolls of immolation
Potions
 n - 13 potions of haste
 q - 571 potions of mutation
 v - 367 potions of experience
 J - 4 potions of might
 T - 2 potions of magic
Miscellaneous
 u - a tin of tremorstones (inert)
 E - a box of beasts
 G - a phantom mirror
 H - a condenser vane
 K - a phial of floods (inert)
 U - the horn of Geryon


   Skills:
 O Level 27 Fighting
 O Level 27 Short Blades
 O Level 27 Long Blades
 O Level 27 Axes
 O Level 27 Maces & Flails
 O Level 27 Polearms
 O Level 27 Staves
 O Level 27 Ranged Weapons
 O Level 27 Throwing
 O Level 27 Armour
 O Level 27 Shields
 O Level 27 Unarmed Combat
 O Level 27 Spellcasting
 O Level 27 Conjurations
 O Level 27 Hexes
 O Level 27 Summonings
 O Level 27 Necromancy
 O Level 27 Translocations
 O Level 27 Transmutations
 O Level 27 Fire Magic
 O Level 27 Ice Magic
 O Level 27 Air Magic
 O Level 27 Earth Magic
 O Level 27 Poison Magic
 O Level 27 Invocations
 O Level 27 Evocations
 O Level 27 Shapeshifting


You had one spell level left.
You knew the following spells:

 Your Spells              Type           Power      Damage    Failure   Level
b - Blink                 Tloc           80%        N/A       0%          2
c - Conjure Ball Lightni  Conj/Air       20%        3x3d6     0%          6
d - Discord               Hex            20%        N/A       1%          8
i - Ignition              Fire           20%        3d7       1%          8
o - Olgreb's Toxic Radia  Pois           40%        N/A       0%          4
p - Passage of Golubria   Tloc           40%        N/A       0%          4
s - Shatter               Erth           20%        3d18*     5%          9
z - Polar Vortex          Ice            20%        12d2*     5%          9
C - Dragon's Call         Summ           20%        N/A       5%          9
D - Disjunction           Tloc           20%        N/A       1%          8
I - Ignite Poison         Fire/Tmut/Pois 40%        N/A       0%          3
Z - Chain Lightning       Conj/Air       20%        3d26      5%          9

Your spell library contained the following spells:

 Spells                   Type           Power      Damage    Failure   Level
 Apportation              Tloc           80%        N/A       0%          1
 Foxfire                  Conj/Fire      100%       2x1d9     0%          1
 Freeze                   Ice            100%       1d10      0%          1
 Kiss of Death            Conj/Necr      100%       2d13      0%          1
 Magic Dart               Conj           100%       1d8       0%          1
 Necrotise                Necr           100%       1d9       0%          1
 Sandblast                Erth           80%        2d17      0%          1
 Shock                    Conj/Air       100%       1d9       0%          1
 Slow                     Hex            100%       N/A       0%          1
 Sting                    Tmut/Pois      100%       1d8       0%          1
 Summon Small Mammal      Summ           100%       N/A       0%          1
 Call Imp                 Summ           80%        N/A       0%          2
 Ensorcelled Hibernation  Hex/Ice        80%        N/A       0%          2
 Lesser Beckoning         Tloc           80%        N/A       0%          2
 Momentum Strike          Conj/Tloc      80%        3d10      0%          2
 Passwall                 Tmut/Erth      33%        N/A       0%          2
 Poisonous Vapours        Pois/Air       80%        N/A       0%          2
 Scorch                   Fire           80%        2d8       0%          2
 Searing Ray              Conj           80%        2d7       0%          2
 Static Discharge         Conj/Air       80%        2-6/arc   0%          2
 Wereblood                Tmut           40%        N/A       0%          2
 Call Canine Familiar     Summ           40%        N/A       0%          3
 Confusing Touch          Hex            40%        N/A       0%          3
 Dazzling Flash           Conj/Hex       80%        N/A       0%          3
 Frozen Ramparts          Ice            80%        1d13      0%          3
 Gell's Gravitas          Tloc           40%        N/A       0%          3
 Hailstorm                Conj/Ice       40%        3d10      0%          3
 Inner Flame              Hex/Fire       40%        N/A       0%          3
 Mephitic Cloud           Conj/Pois/Air  40%        N/A       0%          3
 Ozocubu's Armour         Ice            40%        N/A       0%          3
 Portal Projectile        Hex/Tloc       80%        N/A       0%          3
 Stone Arrow              Conj/Erth      80%        3d12      0%          3
 Summon Guardian Golem    Hex/Summ       40%        N/A       0%          3
 Swiftness                Air            40%        N/A       0%          3
 Teleport Other           Tloc           40%        N/A       0%          3
 Tukima's Dance           Hex            40%        N/A       0%          3
 Vampiric Draining        Necr           40%        2d8       0%          3
 Volatile Blastmotes      Fire/Tloc      80%        2d16      0%          3
 Airstrike                Air            20%        2d(3-19)  0%          4
 Anguish                  Hex/Necr       20%        N/A       0%          4
 Animate Armour           Summ/Erth      80%        N/A       0%          4
 Animate Dead             Necr           40%        N/A       0%          4
 Cause Fear               Hex            20%        N/A       0%          4
 Dispel Undead            Necr           40%        3d16      0%          4
 Flame Wave               Conj/Fire      40%        2d11      0%          4
 Fulminant Prism          Conj/Hex       20%        3d12      0%          4
 Iskenderun's Mystic Bla  Conj/Tloc      40%        2d9       0%          4
 Leda's Liquefaction      Hex/Erth       20%        N/A       0%          4
 Manifold Assault         Tloc           40%        N/A       0%          4
 Petrify                  Tmut/Erth      40%        N/A       0%          4
 Sticky Flame             Conj/Fire      40%        2d6       0%          4
 Summon Ice Beast         Ice/Summ       40%        N/A       0%          4
 Summon Lightning Spire   Summ/Air       40%        N/A       0%          4
 Vhi's Electric Charge    Tloc/Air       80%        N/A       0%          4
 Agony                    Necr           40%        N/A       0%          5
 Alistair's Intoxication  Tmut/Pois      26%        N/A       0%          5
 Arcjolt                  Conj/Air       20%        1d30      0%          5
 Borgnjor's Vile Clutch   Necr/Erth      20%        N/A       0%          5
 Fireball                 Conj/Fire      20%        3d10      0%          5
 Freezing Cloud           Conj/Ice/Air   20%        6-21      0%          5
 Irradiate                Conj/Tmut      20%        3d18      0%          5
 Iskenderun's Battlesphe  Conj           40%        2d9       0%          5
 Lee's Rapid Deconstruct  Erth           20%        3d12*     0%          5
 Metabolic Englaciation   Hex/Ice        20%        N/A       0%          5
 Silence                  Hex/Air        20%        N/A       0%          5
 Summon Forest            Summ/Tloc      20%        N/A       0%          5
 Summon Mana Viper        Hex/Summ       40%        N/A       0%          5
 Yara's Violent Unravell  Hex/Tmut       20%        3d9       0%          5
 Death Channel            Necr           20%        N/A       0%          6
 Dispersal                Tloc           20%        N/A       0%          6
 Eringya's Noxious Bog    Tmut/Pois      20%        4d6       0%          6
 Leda's Unmaking          Conj/Erth      20%        9d4       0%          6
 Plasma Beam              Fire/Air       20%        2x1d32    0%          6
 Simulacrum               Ice/Necr       20%        N/A       0%          6
 Starburst                Conj/Fire      20%        6d7       0%          6
 Summon Cactus Giant      Summ           20%        N/A       0%          6
 Enfeeble                 Hex            20%        N/A       1%          7
 Haunt                    Necr/Summ      20%        N/A       1%          7
 Malign Gateway           Summ/Tloc      20%        N/A       1%          7
 Monstrous Menagerie      Summ           20%        N/A       1%          7
 Orb of Destruction       Conj           20%        9d8       1%          7
 Ozocubu's Refrigeration  Ice            20%        4d11      1%          7
 Spellforged Servitor     Conj/Summ      20%        N/A       1%          7
 Summon Hydra             Summ           20%        N/A       1%          7
 Borgnjor's Revivificati  Necr           20%        N/A       1%          8
 Infestation              Necr           20%        N/A       1%          8
 Lehudib's Crystal Spear  Conj/Erth      20%        10d6      1%          8
 Maxwell's Capacitive Co  Air            20%        ∞         1%          8
 Summon Horrible Things   Summ           20%        N/A       1%          8
 Death's Door             Necr           20%        N/A       5%          9
 Fire Storm               Conj/Fire      20%        8d5       5%          9
 Cigotuvi's Dreadful Rot  Necr/Pois/Air  Unusable   N/A       N/A         2
 Sublimation of Blood     Necr           Unusable   N/A       N/A         2

Dungeon Overview and Level Annotations

Branches:
Dungeon (15/15)            Temple (1/1) D:6            Lair (5/5) D:10
  Swamp (4/4) Lair:3        Snake (4/4) Lair:3        Slime (5/5) Lair:5
    Orc (2/2) D:11            Elf (3/3) Orc:2        Vaults (5/5) D:14
  Crypt (3/3) Vaults:3       Tomb (3/3) Crypt:3      Depths (4/4) D:15
   Hell (visited)             Dis (7/7) Hell            Geh (7/7) Hell
    Coc (7/7) Hell            Tar (7/7) Hell            Zot (5/5) Depths:4
  IceCv (visited)          WizLab (visited)         Desolation (visited)

Altars:
Ashenzari
Cheibriados
Dithmenos
Elyvilon
Fedhas
Gozag
Hepliaklqana
Kikubaaqudgha
Makhleb
Nemelex Xobeh
Okawaru
Qazlal
Ru
Sif Muna
Trog
Uskayaw
Vehumet
Wu Jian
Xom
Yredelemnul
Zin
The Shining One
Lugonu

Shops:
D:9 [   D:11 :*   D:12 =   Orc:2 ((=[*   Snake:3 (:[   Vaults:3 (
Depths:3 ::=   Depths:4 :

Portals:
Hell: Depths:1 Depths:3 Depths:4
Abyss: Lair:5 Depths:1 Depths:2 Depths:3
Pandemonium: Depths:2

Annotations:
D:5 1
Depths:3 2 runed translucent doors


Innate Abilities, Weirdness & Mutations

You are immune to sickness and miasma.
Your stone body is resilient. (AC +20)
You are immune to poison.
Your large and strong wings let you fly.
You resist negative energy. (rN+)
You are resistant to electric shocks. (rElec)
You are resistant to unholy torment.
You are immune to petrification.
You sometimes lose the ability to drink potions when taking damage.
You sometimes lose the ability to read scrolls when taking damage.
You cannot be stealthy.
You cannot train Dodging skill.
You have somewhat slow reflexes. (EV -5)
You are somewhat unskilled. (-1 Apt)
You are sensitive to extremes of temperature. (rF-, rC-)
You have large cloven feet.
You are extremely robust. (+30% HP)


Message History

You hit the emperor scorpion but do no damage.
The emperor scorpion writhes in agony!
The emperor scorpion is heavily wounded.
The emperor scorpion looks more energetic.
The emperor scorpion is no longer waterlogged.
The torpor snail is no longer covered in acid.
The torpor snail is no longer berserk.
The emperor scorpion is no longer waterlogged.
The orb spider simulacrum is no longer covered in acid.
The emperor scorpion is no longer blind.
The emperor scorpion completely misses you.
The emperor scorpion claws you. x2; The emperor scorpion stings you!!
* * * LOW HITPOINT WARNING * * *
The emperor scorpion claws you.
* * * LOW HITPOINT WARNING * * *
The emperor scorpion claws you.
* * * LOW HITPOINT WARNING * * *
You feel you are being watched by something. x2
Something hits you.
* * * LOW HITPOINT WARNING * * *
Something hits you!
* * * LOW HITPOINT WARNING * * *
You feel weakened. Something stings you!
* * * LOW HITPOINT WARNING * * *
The emperor scorpion stings you!!
* * * LOW HITPOINT WARNING * * *
The emperor scorpion claws you.
* * * LOW HITPOINT WARNING * * *
The emperor scorpion claws you.
* * * LOW HITPOINT WARNING * * *
The moth of wrath goads the emperor scorpion on!
The emperor scorpion goes berserk!
The entropy weaver is engulfed in acidic fog.
The entropy weaver seems to be corroded for longer.
You feel you are being watched by something.
An emperor scorpion comes into view.
The emperor scorpion stings you!
You die...
Fedhas appreciates your contribution to the ecosystem. ▓▓▓▓▓▓▓▓▓ sws....w▓ §§swssBy▓ .sZssHsw▓ yBssssBs▓ .B.swwss▓ .§ww~~ss▓ s{s.ss{@▓ Hsss{sss▓ ZBss{sss▓ sBB.wsBs▓ .Z.ssZZw▓ .ssBZBZZ▓ §☼Bw§○..▓ ▓▓▓▓▓▓▓▓▓

You could see 21 emperor scorpions, 2 jorogumos, a radroach, 9 entropy weavers, 2 steelbarb worms, 9 torpor snails, 3 demonic crawlers, 3 wolf spiders, 2 moths of wrath, 13 orb spiders, a pharaoh ant, a redback, an orb spider simulacrum, a redback simulacrum, 2 emperor scorpion simulacra, a torpor snail simulacrum, an entropy weaver simulacrum, a steelbarb worm simulacrum and a broodmother simulacrum.

Vanquished Creatures
  Cerebov (Pan)
  Antaeus (Coc:7)
  The ghost of Haitsiopt the Axe Maniac, a legendary DsGl of Makhleb (Zig:21)
  The ghost of Vuopse the Conqueror, a legendary GnIE of Ashenzari (Zig:11)
  The ghost of Vuopse the Conqueror, a legendary GnIE of Ashenzari (Zig:11)
  The ghost of SevenDeadlySins the Archmage, a legendary DrCj of Vehumet (Zig:21)
  The ghost of SevenDeadlySins the Archmage, a legendary DrCj of Vehumet (Zig:21)
  the Royal Jelly (Slime:5)
  Asmodeus (Geh:7)
  The ghost of Qeseci the Conqueror, a legendary NaTm of Gozag (Zig:19)
  Ereshkigal (Tar:7)
  The ghost of astronautguy the Formicid Barricade, a legendary FoEE of Makhleb (Zig:21)
  The ghost of astronautguy the Formicid Barricade, a legendary FoEE of Makhleb (Zig:21)
  The ghost of astronautguy the Formicid Barricade, a legendary FoEE of Makhleb (Zig:19)
  The ghost of scarywalker64 the Petrodigitator, a legendary GrEE of Vehumet (Zig:20)
  the Serpent of Hell (Tar:7)
  The ghost of Motirgh the Ruinous, a legendary DgHW (Zig:21)
  The ghost of Motirgh the Ruinous, a legendary DgHW (Zig:21)
  The ghost of Motirgh the Ruinous, a legendary DgHW (Zig:20)
  The ghost of Reun the Infernalist, a legendary GrEE of the Shining One (Zig:21)
  Mnoleg (Pan)
  The ghost of Nenig the Conqueror, a legendary GnFi of Okawaru (Zig:19)
  The ghost of Nenig the Conqueror, a legendary GnFi of Okawaru (Zig:19)
  The ghost of Huju the Champion of Chaos, a legendary HOFi of Makhleb (Zig:21)
  The ghost of Huju the Champion of Chaos, a legendary HOFi of Makhleb (Zig:21)
  The ghost of Oreexun the Archmage, a legendary DECj of Vehumet (Zig:11)
  Khufu (Crypt:2)
  The ghost of tigertrap the Metallomancer, a legendary DgHW (Zig:20)
  Dispater (Dis:7)
  The ghost of WiseOSalty the Conqueror, a legendary TrGl of Qazlal (Zig:11)
  The ghost of WiseOSalty the Conqueror, a legendary TrGl of Qazlal (Zig:21)
  The ghost of WiseOSalty the Conqueror, a legendary TrGl of Qazlal (Zig:19)
  The ghost of Teaz Xo Upt the Hoplite, a legendary GnFE of Ashenzari (Zig:21)
  Tiamat (Zot:3)
  The ghost of Xuqyot the Conqueror, a legendary DsFi of Jiyva (Zig:11)
  The ghost of Xuqyot the Conqueror, a legendary DsFi of Jiyva (Zig:20)
  821 ancient liches
  The ghost of swap the Archmage, a legendary DEFE of Vehumet (Zig:11)
  The ghost of Manman the Conqueror, a legendary HOGl of Makhleb (Zig:21)
  The ghost of Kucykkydd the Axe Maniac, a legendary MiFi of Gozag (Zig:19)
  The ghost of ragingrage the Ruinous, a legendary OpFE of Vehumet (Zig:21)
  The ghost of ragingrage the Ruinous, a legendary OpFE of Vehumet (Zig:11)
  The ghost of ragingrage the Ruinous, a legendary OpFE of Vehumet (Zig:19)
  The ghost of Ocwetyh the Imperceptible, a legendary OpCj of Gozag (Zig:11)
  736 dread liches
  The ghost of Boduf the Metallomancer, a legendary FoHu of Cheibriados (Zig:21)
  The ghost of melllvar the Conqueror, a legendary MiBe of the Shining One (Zig:19)
  The ghost of reasonance the Bringer of Law, a legendary HOMo of Zin (Zig:11)
  The ghost of sleeves the Bringer of Light, a legendary HuSk of the Shining One (Zig:21)
  The ghost of Dittersdorf the Conqueror, a legendary MiBe of Trog (Zig:20)
  The ghost of Hacvoq the Conqueror, a legendary HOFi of Zin (Zig:21)
  The ghost of Dittersdorf the Conqueror, a legendary MiBe of Trog (Zig:11)
  The ghost of melllvar the Conqueror, a legendary MiBe of the Shining One (Zig:21)
  The ghost of Hacvoq the Conqueror, a legendary HOFi of Zin (Zig:11)
  The ghost of corvin the Slayer, a legendary OgWn of Dithmenos (Zig:19)
  The ghost of Fouwomub the Sorcerer, a legendary FoEE of Vehumet (Zig:21)
  The ghost of Zonian the Slayer, a legendary HOFi of Beogh (Zig:21)
  The ghost of Zonian the Slayer, a legendary HOFi of Beogh (Zig:21)
  The ghost of Zonian the Slayer, a legendary HOFi of Beogh (Zig:21)
  The ghost of Xatwola the Axe Maniac, a legendary DDFi of Makhleb (Zig:19)
  The ghost of Xatwola the Axe Maniac, a legendary DDFi of Makhleb (Zig:20)
  The ghost of sleeves the Metallomancer, a legendary HuEE of Vehumet (Zig:11)
  The ghost of Hewasun the Conqueror, a legendary MiBe of the Shining One (Zig:11)
  The ghost of Hewasun the Conqueror, a legendary MiBe of the Shining One (Zig:20)
  Mennas (Tomb:2)
  The ghost of strangelove the Metallomancer, a master GrEE of Vehumet (Zig:21)
  The ghost of strangelove the Metallomancer, a master GrEE of Vehumet (Zig:11)
  The ghost of strangelove the Metallomancer, a master GrEE of Vehumet (Zig:21)
  The ghost of Likado the Gnoll Barricade, a legendary GnSk of the Shining One (Zig:19)
  The ghost of Jeklifit the Conqueror, a legendary FoFi of the Shining One (Zig:11)
  The ghost of ytrimaz the Conqueror, a legendary FoFi of Okawaru (Zig:20)
  The ghost of Totuz the Messiah, a legendary HOFi of Beogh (Zig:20)
  The ghost of Totuz the Messiah, a legendary HOFi of Beogh (Zig:20)
  The ghost of Totuz the Messiah, a legendary HOFi of Beogh (Zig:21)
  180 orbs of fire
  The ghost of Lasuan the Slayer, a master MiWr of Cheibriados (Zig:21)
  The ghost of Zenecom the Conqueror, a legendary MiFi of Makhleb (Zig:19)
  The ghost of Zenecom the Conqueror, a legendary MiFi of Makhleb (Zig:19)
  The ghost of Unuchuin the Marksgnoll, a legendary GnFi of the Shining One (Zig:19)
  The ghost of grandjackal the Rhythm of Life and Death, a legendary DsGl of Uskayaw (Zig:20)
  The ghost of runemage the Impregnable, a legendary GnFi of Gozag (Zig:20)
  The ghost of runemage the Impregnable, a legendary GnFi of Gozag (Zig:21)
  The ghost of runemage the Impregnable, a legendary GnFi of Gozag (Zig:21)
  The ghost of runemage the Impregnable, a legendary GnFi of Gozag (Zig:19)
  The ghost of Denobboc the Imperceptible, a legendary OpMo of Jiyva (Zig:21)
  The ghost of sleeves the End of an Era, a legendary DsFi of Qazlal (Zig:21)
  The ghost of sleeves the End of an Era, a legendary DsFi of Qazlal (Zig:21)
  The ghost of MrSquiggles the Hoplite, a legendary MiFi of the Shining One (Zig:20)
  The ghost of Hillam the Grand Master, a legendary DsTm of Cheibriados (Zig:21)
  The ghost of Hillam the Grand Master, a legendary DsTm of Cheibriados (Zig:21)
  The ghost of Zoplarin the Conqueror, a legendary BaSk of Cheibriados (Zig:20)
  The ghost of Xaowkis the Impregnable, a legendary GnWr of Cheibriados (Zig:21)
  The ghost of Xaowkis the Impregnable, a legendary GnWr of Cheibriados (Zig:21)
  The ghost of Zachydoop the Conqueror, a veteran MiMo of Ru (Zig:21)
  The ghost of Wammos the Grand Master, a legendary TeCj of Cheibriados (Zig:20)
  The ghost of Qupubruts the Slayer, a master HOFi of Okawaru (Zig:20)
  The ghost of Talannal the Sharpshooter, a legendary GnHW of Cheibriados (Zig:20)
  The ghost of Talannal the Sharpshooter, a legendary GnHW of Cheibriados (Zig:19)
  The ghost of Talannal the Sharpshooter, a legendary GnHW of Cheibriados (Zig:19)
  The ghost of Alysiarr the Cutthroat, a legendary KoHu of Okawaru (Zig:20)
  The ghost of Alysiarr the Cutthroat, a legendary KoHu of Okawaru (Zig:21)
  697 juggernauts
  626 royal mummies
  The ghost of stevelinton the Ninja, a legendary KoBe of Trog (Zig:20)
  The ghost of xzight the Conqueror, a legendary MiBe of Trog (Zig:20)
  The ghost of Rirumasy the Octopoid Blade, a legendary OpWn of Gozag (Zig:21)
  The ghost of Rirumasy the Octopoid Blade, a legendary OpWn of Gozag (Zig:11)
  The ghost of Kufiz the Slayer, a master GrCK of Xom (Zig:21)
  The ghost of heteroy the Invulnerable, a legendary DsHu of Uskayaw (Zig:21)
  The ghost of Viugiw the Slayer, a legendary TeBe of the Shining One (Zig:20)
  The ghost of Viugiw the Slayer, a legendary TeBe of the Shining One (Zig:19)
  The ghost of scionoferis the Rhythm of Life and Death, a legendary VSBr of Uskayaw (Zig:20)
  510 Killer Klowns
  Bai Suzhen (Elf:3)
  570 shard shrikes
  The ghost of lukano the Imperceptible, a legendary GrFi of the Shining One (Zig:21)
  The ghost of lukano the Imperceptible, a legendary GrFi of the Shining One (Zig:21)
  The ghost of Dameikh the Hoplite, a veteran FoFi of Nemelex Xobeh (Zig:11)
  The ghost of Dameikh the Hoplite, a veteran FoFi of Nemelex Xobeh (Zig:19)
  The ghost of Joizeul the Slayer, a veteran MiBe of Trog (Zig:21)
  The ghost of Piginabag the Drop of Water, a veteran GnMo of Ru (Zig:11)
  The ghost of Piginabag the Drop of Water, a veteran GnMo of Ru (Zig:19)
  The ghost of lmSkywalker the Warrior, an adept DrTm of Okawaru (Zig:21)
  The ghost of lmSkywalker the Warrior, an adept DrTm of Okawaru (Zig:21)
  The ghost of Qatinlae the Archmage, a veteran DEFE of Sif Muna (Zig:21)
  794 caustic shrikes
  The ghost of Ycuhohed the Acrobat, a veteran TeBe of Trog (Zig:11)
  Vashnia (Snake:3)
  The ghost of astronautguy the Lord of Darkness, a master DEFE of Kikubaaqudgha (Zig:11)
  The ghost of Heartburn the Minotaur Barricade, a veteran MiFi of Okawaru (Zig:19)
  The ghost of Heartburn the Minotaur Barricade, a veteran MiFi of Okawaru (Zig:20)
  34 curse toes
  Xtahua (Depths:4)
  The ghost of EricTams the Hoplite, a veteran MiBe of Trog (Zig:19)
  1657 golden dragons
  Saint Roka (Elf:3)
  The ghost of Janeylunn the Victor of a Thousand Battles, a veteran GnWn of Okawaru (Zig:19)
  The ghost of Anafel the Impregnable, a legendary GrFi of the Shining One (Zig:21)
  Geryon (Hell)
  5 golden dragons (shapeshifter)
  The ghost of Pohawk the Severer, an adept MiGl of the Shining One (Zig:19)
  The ghost of Gemnonof the Warrior, an adept DgCj (Zig:19)
  The ghost of Pooter the Executioner, an adept MiBe of Trog (Crypt:1)
  6 caustic shrikes (shapeshifter)
  The ghost of Asaxtuyhipro the Severer, an adept MiCK of Xom (Zig:21)
  The ghost of Asaxtuyhipro the Severer, an adept MiCK of Xom (Zig:21)
  1813 pandemonium lords
  1087 bone dragons
  Nikola (Elf:1)
  The ghost of Ebassic the Hoplite, a veteran GrFi of the Shining One (Zig:21)
  501 profane servitors
  165 pearl dragons
  754 iron giants
  394 Tzitzimimeh
  2 spectral shard shrikes
  184 doom hounds
  257 electric golems
  818 hellephants
  808 Brimstone Fiends
  The ghost of Xutext the Spry, an adept DsAK of Lugonu (Zig:11)
  1313 tentacled monstrosities
  4 iron giants (shapeshifter)
  1253 Hell Sentinels
  7 walking earthen tomes
  8 walking crystal tomes
  182 tainted leviathans
  Jorgrun (D:15)
  1118 Ice Fiends
  A shard shrike skeleton (Crypt:3)
  31 quicksilver dragons (shapeshifter)
  560 liches
  8 walking divine tomes
  5 walking frostbound tomes
  305 quicksilver dragons
  22 Orb Guardians (Zot:5)
  1442 titans
  643 deep elf master archers
  2939 acid blobs
  573 searing wretches
  Murray (Hell)
  5 acid blobs (shapeshifter)
  Asterion (Snake:3)
  364 Executioners
  29 sphinxes (shapeshifter)
  A kraken (Abyss:6)
  801 ancient champions
  458 deep elf blademasters
  3 death cobs
  280 sphinxes
  The ghost of frimble the Victor of a Thousand Battles, an adept DsGl of Okawaru (Zig:11)
  The ghost of Viocziel the Brawler, an adept TrMo of Nemelex Xobeh (Zig:21)
  The ghost of Polaczum the Brawler, an adept TrMo of Nemelex Xobeh (Zig:21)
  426 tentacled starspawn
  17 eldritch tentacles
  94 tengu reavers
  37 thorn hunters
  Kirke (D:15)
  6 storm dragons (shapeshifter)
  98 shadow dragons
  28 shadow dragons (shapeshifter)
  696 revenants
  Donald (Elf:2)
  32 azure jellies (shapeshifter)
  25 fenstrider witches (shapeshifter)
  28 fenstrider witches
  815 rockslimes
  298 storm dragons
  760 draconian knights
  508 draconian monks
  535 azure jellies
  4 iron dragons (shapeshifter)
  596 narguns
  1331 nagarajas
  291 demonspawn warmongers
  66 deep elf sorcerers
  341 frost giants
  361 fire giants
  140 daevas
  31 frost giants (shapeshifter)
  An imperial myrmidon (Desolation)
  10 emperor scorpions (shapeshifter)
  4 rockslimes (shapeshifter)
  32 fire giants (shapeshifter)
  582 emperor scorpions
  481 iron dragons
  405 quicksilver elementals
  13 spectral juggernauts
  526 draconian scorchers
  134 vault wardens
  27 caustic shrike zombies
  1491 balrugs
  19 juggernaut zombies
  620 curse skulls
  336 cacodemons
  581 draconian shifters
  56 angels
  92 ironbound preservers
  12 shard shrike simulacra
  940 ghost moths
  2 ghost moths (shapeshifter)
  89 ghouls
  891 demonspawn corrupters
  27 caustic shrike skeletons
  3 spriggan defenders
  556 draconian stormcallers
  2 formless jellyfish (shapeshifter)
  34 deep elf elementalists
  7 spectral caustic shrikes
  621 draconian annihilators
  9 formless jellyfish
  726 war gargoyles
  6 broodmothers (shapeshifter)
  A green draconian (shapeshifter) (Zig:26)
  70 broodmothers
  327 demonspawn blood saints
  348 very ugly things
  745 stone giants
  7 ironbound thunderhulks
  1130 orc warlords
  502 quicksilver oozes
  348 reapers
  61 ophanim
  8 quicksilver oozes (shapeshifter)
  353 vampire knights
  Nessos (D:15)
  304 deep elf demonologists
  234 green draconians
  326 demonspawn black suns
  23 juggernaut skeletons
  32 dire elephants (shapeshifter)
  A halazid warlock (Desolation)
  23 elemental wellsprings
  246 purple draconians
  42 apis
  4 minotaurs
  27 stone giants (shapeshifter)
  227 putrid mouths
  322 deep elf annihilators
  24 eleionomae (shapeshifter)
  A yellow draconian (shapeshifter) (Zig:14)
  A bunyip (shapeshifter) (Zig:25)
  132 eleionomae
  244 white draconians
  272 lorocyprocas
  39 orange crystal statues
  257 red draconians
  8 spectral titans
  273 bennus
  239 yellow draconians
  210 dire elephants
  8 spark wasps (shapeshifter)
  198 black draconians
  249 spark wasps
  569 iron golems
  3 minotaurs (shapeshifter)
  957 blizzard demons
  142 bunyips
  626 wendigos
  398 eidola
  An elf zombie (Tomb:2)
  3 fire dragons (shapeshifter)
  216 deep elf death magi
  149 ettins
  280 crystal guardians
  6 quicksilver dragon zombies
  11 spectral quicksilver dragons
  1012 green deaths
  5 ragged hierophants (Desolation)
  581 merfolk javelineers
  5 ettins (shapeshifter)
  156 fire dragons
  57 jiangshi
  182 merfolk impalers
  977 shambling mangroves
  510 mummy priests
  9 spectral golden dragons
  4 entropy weavers (shapeshifter)
  5 great orbs of eyes (shapeshifter)
  232 yaktaur captains
  229 great orbs of eyes
  12 spectral spriggans
  8 quicksilver dragon skeletons
  11 spectral shadow dragons
  486 deep elf high priests
  826 entropy weavers
  5 spectral sphinxes
  4 servants of whispers (Desolation)
  201 ice dragons
  1112 salamander tyrants
  22 spriggan zombies
  791 hydras
  30 caustic shrike simulacra
  268 catoblepae
  23 rakshasas
  5 peacekeepers
  49 vault guards
  76 ghost crabs
  185 hell beasts
  7 hydras (shapeshifter)
  21 juggernaut simulacra
  4 spectral tengu
  37 ogre magi
  3 catoblepae (shapeshifter)
  118 alligators
  2 ice dragons (shapeshifter)
  67 jorogumos
  107 alligator snapping turtles
  10 ironbound frosthearts
  174 anacondas
  135 boulder beetles
  53 merfolk avatars
  65 stokers
  26 anacondas (shapeshifter)
  96 radroaches
  7 jorogumos (shapeshifter)
  25 two-headed ogres (shapeshifter)
  8 radroaches (shapeshifter)
  242 spriggan air magi
  123 centaur warriors
  A death knight (Crypt:2)
  A spectral human (Tar:2)
  49 two-headed ogres
  23 alligator snapping turtles (shapeshifter)
  1125 merfolk aquamancers
  11 satyrs (shapeshifter)
  5 alligators (shapeshifter)
  254 naga warriors
  298 death scarabs
  8 deep troll shamans
  5 boulder beetles (shapeshifter)
  637 dancing weapons
  27 death yaks
  4 tengu warriors
  18 titan zombies
  138 satyrs
  181 hell hogs
  6 death yaks (shapeshifter)
  23 deep troll earth magi
  17 spriggan berserkers
  410 vampire magi
  498 naga sharpshooters
  1081 orc high priests
  440 shock serpents
  11 spectral storm dragons
  460 thrashing horrors
  269 soul eaters
  Nergalle (D:12)
  A spectral dire elephant (Tar:4)
  62 salamander mystics
  23 storm dragon zombies
  996 wretched stars
  24 shock serpents (shapeshifter)
  405 deep elf knights
  208 hell knights
  200 sixfirhies
  26 skysharks
  32 golden dragon zombies
  25 iron trolls (shapeshifter)
  25 titan skeletons
  250 crystal echidnas
  284 iron trolls
  34 skeletal warriors
  18 skysharks (shapeshifter)
  169 spatial maelstroms
  281 sun demons
  200 shadow wraiths
  32 fire crabs
  13 fire crabs (shapeshifter)
  A bunyip zombie (Crypt:1)
  29 death drakes (shapeshifter)
  A spectral bunyip (Tar:1)
  44 sun moths
  85 goliath frogs
  136 pharaoh ants
  2 spectral anacondas
  165 sea snakes
  30 deep trolls (shapeshifter)
  24 sea snakes (shapeshifter)
  122 glowing orange brains
  5 spark wasp zombies
  36 deep trolls
  40 cherubim
  24 storm dragon skeletons
  12 quicksilver dragon simulacra
  25 orb spiders (shapeshifter)
  16 spectral iron dragons
  249 flayed ghosts
  20 glowing orange brains (shapeshifter)
  571 swamp dragons
  66 bog bodies
  242 shadow demons
  A bunyip skeleton (Abyss:2)
  16 lindwurms
  641 death drakes
  643 orb spiders
  5 goliath frogs (shapeshifter)
  18 shadow dragon zombies
  163 naga ritualists
  26 lindwurms (shapeshifter)
  152 steelbarb worms
  A fenstrider witch simulacrum (Coc:2)
  384 spriggan druids
  12 steelbarb worms (shapeshifter)
  208 phantasmal warriors
  25 golden dragon skeletons
  71 ironbound convokers
  27 tengu zombies
  14 swamp dragons (shapeshifter)
  398 deep elf archers
  36 obsidian statues
  22 wizards
  10 harpies (shapeshifter)
  26 necromancers
  3 frost giant zombies (Zig:10)
  181 orc knights
  An anaconda skeleton (Pan)
  22 mana vipers (shapeshifter)
  298 harpies
  24 shadow dragon skeletons
  604 deep elf pyromancers
  579 deep elf zephyrmancers
  18 sphinx zombies
  2361 starcursed masses
  219 wolf spiders
  16 iron dragon zombies
  4 fire giant zombies
  155 mana vipers
  27 shining eyes (shapeshifter)
  4 glowing shapeshifters
  398 orc sorcerers
  209 ugly things
  35 tengu skeletons
  19 cyclopes (shapeshifter)
  153 cyclopes
  24 oklob plants
  22 fauns (shapeshifter)
  25 wolf spiders (shapeshifter)
  169 fauns
  353 shining eyes
  8 salamanders (shapeshifter)
  18 sphinx skeletons
  101 salamanders
  16 frost giant skeletons
  107 merfolk sirens
  A naga zombie (Abyss:2)
  10 fire giant skeletons
  120 will-o-the-wisps
  26 manticores (shapeshifter)
  189 manticores
  Joseph (D:10)
  A spectral alligator snapping turtle (Tar:1)
  754 moths of wrath
  38 elephants
  27 iron dragon skeletons
  4 stone giant skeletons
  39 rust devils
  63 worldbinders
  21 moths of wrath (shapeshifter)
  41 ice statues
  80 vault sentinels
  359 guardian serpents
  893 black mambas
  226 demonic crawlers
  2 toenail golems
  A centaur zombie (Crypt:3)
  A spectral centaur (Tar:1)
  1056 water nymphs
  100 gargoyles
  142 eyes of devastation
  403 naga magi
  20 titan simulacra
  14 guardian serpents (shapeshifter)
  817 torpor snails
  22 elephants (shapeshifter)
  152 orange demons
  An alligator snapping turtle zombie (Crypt:3)
  11 black mambas (shapeshifter)
  5 centaur skeletons
  8 cane toads (shapeshifter)
  18 eyes of devastation (shapeshifter)
  618 smoke demons
  15 storm dragon simulacra
  4 molten gargoyles (D:9)
  22 torpor snails (shapeshifter)
  21 water nymphs (shapeshifter)
  2 shock serpent skeletons
  A yaktaur zombie (Vaults:5)
  116 cane toads
  7 spark wasp simulacra
  4 unseen horrors (shapeshifter)
  374 apocalypse crabs
  Maggie (Lair:1)
  14 rime drakes (shapeshifter)
  711 hellions
  4 unseen horrors
  A death yak zombie (Crypt:2)
  4 bunyip simulacra
  87 komodo dragons
  88 rime drakes
  A kobold demonologist (D:12)
  10 spectral glowing shapeshifters
  2 spectral nagas
  65 yaktaurs
  3 dire elephant skeletons
  63 freezing wraiths
  14 komodo dragons (shapeshifter)
  A yaktaur skeleton (Vaults:4)
  A steelbarb worm zombie (Crypt:3)
  2 tengu conjurers
  24 golden dragon simulacra
  703 tormentors
  10 yaktaurs (shapeshifter)
  70 efreet
  362 ancient zymes
  A catoblepas skeleton (Pan)
  77 red devils
  2 grey draconian skeletons
  4 spectral harpies
  6 anaconda simulacra
  The ghost of Juicyj the Shield-Bearer, an amateur MiFi (D:6)
  7 polar bears (shapeshifter)
  919 guardian mummies
  718 merfolk
  40 silent spectres
  97 ice devils
  2 harpy zombies
  4 iron giant simulacra
  24 merfolk (shapeshifter)
  10 tyrant leeches (shapeshifter)
  32 meliai
  21 polar bears
  4 trolls (shapeshifter)
  23 tarantellas (shapeshifter)
  177 hellwings
  7 queen bees (shapeshifter)
  827 large abominations
  6 harpy skeletons
  15 shadow dragon simulacra
  101 wind drakes
  9 meliai (shapeshifter)
  1597 hornets
  23 tengu simulacra
  34 bloated husks
  103 tyrant leeches
  129 tarantellas
  228 trolls
  10 wind drakes (shapeshifter)
  6 hornets (shapeshifter)
  6 blink frogs (shapeshifter)
  30 sphinx simulacra
  19 snapping turtles (shapeshifter)
  356 raiju
  40 blink frogs
  A death drake skeleton (Crypt:3)
  A hydra skeleton (Crypt:3)
  7 raiju (shapeshifter)
  25 dream sheep (shapeshifter)
  17 dream sheep
  41 saltlings (Desolation)
  3 ettin zombies
  146 snapping turtles
  A jumping spider zombie (Crypt:3)
  8 fire giant simulacra
  22 iron dragon simulacra
  13 jumping spiders (shapeshifter)
  A stone giant simulacrum (Coc:2)
  A centaur simulacrum (Coc:2)
  190 air elementals
  126 jumping spiders
  1044 slime creatures
  9 culicivoras (shapeshifter)
  2 black mamba zombies
  397 flying skulls
  10 shadows
  A fire dragon skeleton (Crypt:1)
  92 yaks
  84 spriggans
  11 dire elephant simulacra
  3 ettin skeletons
  20 slime creatures (shapeshifter)
  295 ynoxinuls
  120 culicivoras
  298 water elementals
  10 vampires
  186 fire elementals
  4 wyverns (shapeshifter)
  27 wyverns
  368 ushabtiu
  27 wraiths
  5 frost giant simulacra
  7 yaks (shapeshifter)
  6 fire bats (shapeshifter)
  10 spriggans (shapeshifter)
  A black mamba skeleton (Pan)
  3 alligator snapping turtle simulacra
  7 hogs (D:15)
  7 humans (shapeshifter)
  4 naga simulacra
  28 redbacks (shapeshifter)
  34 basilisks
  191 golden eyes
  22 humans
  169 redbacks
  9 golden eyes (shapeshifter)
  A steam dragon (shapeshifter) (Zig:17)
  5 basilisks (shapeshifter)
  7 hogs (shapeshifter)
  27 vampire mosquitoes
  19 steam dragons
  397 neqoxecs
  197 wargs
  A fire bat zombie (Crypt:3)
  256 chaos spawn
  28 spatial vortices
  22 swamp worms (shapeshifter)
  An elf skeleton (Vaults:3)
  4 acid dragons (shapeshifter)
  23 glowing shapeshifter zombies
  17 swamp worms
  20 harpy simulacra
  47 hell hounds
  38 acid dragons
  2 wargs (shapeshifter)
  Edmund (D:6)
  277 nagas
  4 water moccasins (shapeshifter)
  113 water moccasins
  214 floating eyes
  27 glowing shapeshifter skeletons
  2 hydra simulacra
  24 floating eyes (shapeshifter)
  A two-headed ogre skeleton (Crypt:1)
  2 naga skeletons
  45 swamp drakes
  2 swamp drakes (shapeshifter)
  61 ice beasts
  3 sky beasts
  7 black bears (shapeshifter)
  1002 orc warriors
  2 human zombies
  An ogre (shapeshifter) (Zig:18)
  A black bear (D:8)
  8 ettin simulacra
  A blink frog zombie (Crypt:1)
  5 ice beasts (shapeshifter)
  A snapping turtle zombie (Crypt:2)
  4 sky beasts (shapeshifter)
  511 ogres
  A boggart (shapeshifter) (Vaults:5)
  4 boggarts (Vaults:1)
  4 wolves (shapeshifter)
  2 centaurs (shapeshifter)
  23 wolves
  35 centaurs
  11 human skeletons
  10 kobold brigands
  A bullfrog (shapeshifter) (Zig:19)
  13 bullfrogs
  21 glowing shapeshifter simulacra
  10 gnoll sergeants
  254 earth elementals
  5 scorpions
  A necrophage (Crypt:3)
  A scorpion (shapeshifter) (Zig:23)
  14 killer bees
  2 human simulacra
  A howler monkey (D:14)
  19 spriggan skeletons
  2 electric eels
  A howler monkey (shapeshifter) (Zig:19)
  9 crimson imps
  3 lava snakes
  3 quasits
  A jelly (shapeshifter) (Zig:19)
  7 hounds
  14 jellies
  7 gnoll boudas
  3 iron imps
  153 orc priests
  An iguana (D:5)
  141 orc wizards
  2 lightning spires (Zig:27)
  9 hell rats
  A polar bear simulacrum (IceCv)
  A troll simulacrum (IceCv)
  32 spriggan simulacra
  55 small abominations
  A wolf simulacrum (IceCv)
  An ice beast zombie (Crypt:3)
  1434 mummies
  A gnoll (shapeshifter) (Elf:1)
  36 gnolls
  A howler monkey skeleton (Crypt:2)
  12 adders
  A river rat (shapeshifter) (Zig:20)
  8 white imps
  2 ufetubi
  3 worms
  3 dart slugs
  An orc (shapeshifter) (Zig:12)
  56 orcs
  5 ball pythons
  6 bats
  6 endoplasms
  2 endoplasms (shapeshifter)
  A giant cockroach (shapeshifter) (Zig:19)
  4 giant cockroaches
  11 goblins
  7 hobgoblins
  A hobgoblin (shapeshifter) (Zig:19)
  6 quokkas
  6 frilled lizards
  2 gnoll skeletons (Crypt:3)
  A gnoll zombie (Crypt:1)
  21 kobolds
  10 rats
  175 ball lightnings
  33 ballistomycete spores
  3 creeping infernos
  245 fire vortices
  4 foxfires
  9 lurking horrors
  7 spectral weapons
  348 starspawn tentacles
109481 creatures vanquished.

Vanquished Creatures (collateral kills)
  Gloorx Vloq (Pan)
  Lom Lobon (Pan)
  4 dread liches
  2 ancient liches (Zig:8)
  45 juggernauts
  15 Killer Klowns
  4 royal mummies
  3 shard shrikes
  22 golden dragons
  11 caustic shrikes
  A caustic shrike (shapeshifter) (Zig:25)
  3 profane servitors
  6 bone dragons
  A Tzitzimitl (Zig:7)
  12 hellephants
  20 Brimstone Fiends
  14 iron giants
  8 Hell Sentinels
  13 tentacled monstrosities
  4 Ice Fiends
  4 liches
  22 titans
  An Orb Guardian (Zot:5)
  14 searing wretches
  3 quicksilver dragons
  A walking divine tome (Depths:2)
  4 Executioners
  92 acid blobs
  5 deep elf blademasters
  4 ancient champions
  7 tentacled starspawn
  8 sphinxes
  18 pandemonium lords
  15 deep elf master archers
  A death cob (Zot:3)
  3 tengu reavers
  2 thorn hunters
  A shadow dragon (shapeshifter) (Zig:25)
  An eldritch tentacle (Zig:3)
  40 nagarajas
  21 revenants
  14 azure jellies
  20 draconian knights
  2 narguns (Zig:23)
  3 azure jellies (shapeshifter)
  14 fire giants
  3 ghost moths
  35 draconian monks
  A fire giant (shapeshifter) (Zig:25)
  2 demonspawn warmongers
  36 draconian scorchers
  6 frost giants
  22 rockslimes
  Aizul (Depths:2)
  8 iron dragons
  4 deep elf sorcerers
  5 emperor scorpions
  86 orc warlords
  A ghoul (Zig:14)
  3 vault wardens
  A spriggan defender (Depths:3)
  39 balrugs
  33 draconian shifters
  2 curse skulls
  30 stone giants
  2 ironbound preservers (Zig:17)
  5 demonspawn blood saints
  39 draconian annihilators
  11 quicksilver oozes
  38 draconian stormcallers
  11 war gargoyles
  A cacodemon (Pan)
  8 reapers
  7 demonspawn corrupters
  5 very ugly things
  2 stone giants (shapeshifter)
  8 demonspawn black suns
  20 red draconians
  20 black draconians
  2 vampire knights (Depths:2)
  21 green draconians
  4 lorocyprocas
  2 eleionomae (Zig:20)
  A putrid mouth (Zig:26)
  13 white draconians
  A bunyip (Zig:15)
  5 wendigos
  22 yellow draconians
  6 deep elf demonologists
  17 purple draconians
  4 bennus
  2 dire elephants (shapeshifter)
  A minotaur (shapeshifter) (Zig:20)
  8 deep elf annihilators
  2 dire elephants (Zig:24)
  2 spark wasps
  5 eidola
  A spark wasp (shapeshifter) (Zig:25)
  4 ettins
  7 mummy priests
  2 deep elf death magi
  10 crystal guardians
  16 merfolk javelineers
  13 blizzard demons
  31 green deaths
  14 deep elf high priests
  8 merfolk impalers
  20 shambling mangroves
  A fire dragon (Zig:16)
  3 yaktaur captains
  6 ice dragons
  6 great orbs of eyes
  9 entropy weavers
  3 hell beasts (Zig:17)
  32 salamander tyrants
  25 hydras
  A spriggan air mage (Zig:18)
  2 ogre magi
  3 ghost crabs
  A radroach (Zig:11)
  8 anacondas
  22 catoblepae
  A centaur warrior (Zig:23)
  2 merfolk avatars
  2 stokers
  3 boulder beetles
  6 dancing weapons
  65 merfolk aquamancers
  3 alligators
  An alligator snapping turtle (Zig:19)
  A deep troll shaman (Depths:3)
  3 death scarabs
  5 satyrs
  A two-headed ogre (Zig:7)
  9 naga warriors
  A two-headed ogre (shapeshifter) (Zig:2)
  19 naga sharpshooters
  A hell hog (Zig:25)
  5 vampire magi
  99 orc high priests
  12 shock serpents
  10 thrashing horrors
  7 soul eaters
  A crystal echidna (Zig:26)
  6 sun demons
  2 spriggan berserkers
  12 hell knights
  5 deep elf knights
  11 wretched stars
  A shadow wraith (Zig:14)
  A fire crab (Zig:16)
  2 sixfirhies
  2 skysharks (shapeshifter)
  3 spatial maelstroms
  7 sea snakes
  7 goliath frogs
  24 iron trolls
  A quicksilver dragon simulacrum (Zig:23)
  3 skysharks
  An iron troll (shapeshifter) (Zig:20)
  2 salamander mystics
  15 spriggan druids
  2 death drakes (shapeshifter)
  5 shadow demons
  A sea snake (shapeshifter) (Zig:20)
  3 orb spiders
  5 flayed ghosts
  A swamp dragon (shapeshifter) (Zig:19)
  12 death drakes
  2 tengu zombies
  5 glowing orange brains
  14 swamp dragons
  A deep troll (Depths:2)
  11 deep elf archers
  An obsidian statue (Zig:3)
  2 lindwurms (shapeshifter) (Zig:25)
  8 naga ritualists
  2 phantasmal warriors
  An ironbound convoker (Zig:17)
  A bog body (Zig:15)
  A mana viper (shapeshifter) (Zig:2)
  A harpy (shapeshifter) (Zig:23)
  10 deep elf pyromancers
  14 harpies
  20 orc knights
  A sphinx zombie (Zig:18)
  A necromancer (Depths:2)
  8 mana vipers
  14 deep elf zephyrmancers
  2 manticores (shapeshifter)
  7 ugly things
  2 cyclopes (shapeshifter)
  A fire giant zombie (Zig:12)
  2 worldbinders
  12 fauns
  4 salamanders
  28 orc sorcerers
  11 shining eyes
  A wolf spider (Zig:11)
  A stone giant zombie (Depths:2)
  8 will-o-the-wisps
  12 cyclopes
  2 elephants
  An ice statue (Zig:16)
  48 moths of wrath
  A moth of wrath (shapeshifter) (Zig:25)
  10 guardian serpents
  A salamander (shapeshifter) (Zig:25)
  3 vault sentinels
  11 apocalypse crabs
  11 manticores
  8 eyes of devastation
  2 merfolk sirens (Zig:17)
  17 naga magi
  96 water nymphs
  A guardian serpent (shapeshifter) (Zig:25)
  2 demonic crawlers (Pan)
  7 smoke demons
  A torpor snail (shapeshifter) (Zig:25)
  A rust devil (Zig:17)
  25 black mambas
  3 orange demons
  2 unseen horrors
  11 torpor snails
  2 efreet
  3 gargoyles
  An alligator snapping turtle skeleton (Pan)
  4 cane toads
  A yaktaur (Zig:23)
  13 hellions
  A komodo dragon (Zig:17)
  A freezing wraith (Abyss:5)
  12 tormentors
  34 merfolk
  2 red devils
  11 guardian mummies
  A troll (shapeshifter) (Zig:24)
  8 ancient zymes
  A merfolk (shapeshifter) (Zig:18)
  10 large abominations
  8 trolls
  3 bloated husks
  3 hellwings
  A meliai (shapeshifter) (Zig:25)
  2 tyrant leeches (Zig:15)
  3 wind drakes
  A wind drake (shapeshifter) (Zig:2)
  8 raiju
  A raiju (shapeshifter) (Zig:20)
  41 hornets
  9 snapping turtles
  A harpy skeleton (Pan)
  A dream sheep (Zig:27)
  A culicivora (Zig:24)
  11 water elementals
  A slime creature (shapeshifter) (Zig:18)
  32 slime creatures
  8 ynoxinuls
  9 flying skulls
  A wyvern (Zig:17)
  2 air elementals
  A yak (shapeshifter) (Zig:20)
  2 spriggans
  2 ushabtiu (Zig:10)
  6 fire elementals
  3 golden eyes
  72 starcursed masses
  2 redbacks
  17 neqoxecs
  8 small abominations
  A glowing shapeshifter zombie (Zig:10)
  7 chaos spawn
  2 spatial vortices (Abyss:5)
  19 nagas
  20 wargs
  5 floating eyes
  A water moccasin (Zig:17)
  2 hell hounds
  A floating eye (shapeshifter) (Zig:20)
  66 orc warriors
  A human skeleton (Zig:5)
  33 ogres
  A centaur (Zig:23)
  7 earth elementals
  A gnoll sergeant (Zig:19)
  A glowing shapeshifter simulacrum (Zig:23)
  6 jellies (Zot:4)
  3 gnoll boudas
  9 orc priests
  10 orc wizards
  18 mummies
  4 gnolls
  1471 ballistomycete spores
  A fire vortex (Zig:21)
  A lurking horror (Abyss:3)
  7 starspawn tentacles
4298 creatures vanquished.

Vanquished Creatures (others)
  The ghost of Haitsiopt the Axe Maniac, a legendary DsGl of Makhleb (Zig:19)
  The ghost of Haitsiopt the Axe Maniac, a legendary DsGl of Makhleb (Zig:11)
  The ghost of Vuopse the Conqueror, a legendary GnIE of Ashenzari (Zig:19)
  The ghost of SevenDeadlySins the Archmage, a legendary DrCj of Vehumet (Zig:19)
  The ghost of Dalot the Archmage, a legendary OpCj of Gozag (Zig:21)
  The ghost of Qeseci the Conqueror, a legendary NaTm of Gozag (Zig:11)
  The ghost of Qeseci the Conqueror, a legendary NaTm of Gozag (Zig:21)
  The ghost of astronautguy the Formicid Barricade, a legendary FoEE of Makhleb (Zig:19)
  The ghost of astronautguy the Formicid Barricade, a legendary FoEE of Makhleb (Zig:19)
  The ghost of scarywalker64 the Petrodigitator, a legendary GrEE of Vehumet (Zig:21)
  The ghost of Reun the Infernalist, a legendary GrEE of the Shining One (Zig:19)
  The ghost of Reun the Infernalist, a legendary GrEE of the Shining One (Zig:21)
  The ghost of Nenig the Conqueror, a legendary GnFi of Okawaru (Zig:21)
  The ghost of Nenig the Conqueror, a legendary GnFi of Okawaru (Zig:21)
  The ghost of Huju the Champion of Chaos, a legendary HOFi of Makhleb (Zig:11)
  The ghost of Huju the Champion of Chaos, a legendary HOFi of Makhleb (Zig:19)
  The ghost of tigertrap the Metallomancer, a legendary DgHW (Zig:11)
  13 dread liches
  The ghost of WiseOSalty the Conqueror, a legendary TrGl of Qazlal (Zig:19)
  The ghost of Piginabag the Conqueror, a legendary DsSk of Gozag (Zig:21)
  The ghost of Teaz Xo Upt the Hoplite, a legendary GnFE of Ashenzari (Zig:19)
  The ghost of Xuqyot the Conqueror, a legendary DsFi of Jiyva (Zig:11)
  The ghost of Fenir the Acrobat, a legendary GnAE of Ashenzari (Zig:21)
  The ghost of Fenir the Acrobat, a legendary GnAE of Ashenzari (Zig:21)
  The ghost of swap the Archmage, a legendary DEFE of Vehumet (Zig:21)
  The ghost of swap the Archmage, a legendary DEFE of Vehumet (Zig:11)
  The ghost of Marixus the Axe Maniac, a legendary DDFi of Cheibriados (Zig:19)
  An orb of fire (Zot:5)
  The ghost of Manman the Conqueror, a legendary HOGl of Makhleb (Zig:21)
  The ghost of Kucykkydd the Axe Maniac, a legendary MiFi of Gozag (Zig:21)
  The ghost of BerryKnight the Divine Blade, a legendary DgFi (Zig:21)
  The ghost of BerryKnight the Divine Blade, a legendary DgFi (Zig:19)
  The ghost of ragingrage the Ruinous, a legendary OpFE of Vehumet (Zig:19)
  30 ancient liches
  The ghost of Ocwetyh the Imperceptible, a legendary OpCj of Gozag (Zig:21)
  The ghost of Ocwetyh the Imperceptible, a legendary OpCj of Gozag (Zig:21)
  The ghost of melllvar the Conqueror, a legendary MiBe of the Shining One (Zig:21)
  The ghost of melllvar the Conqueror, a legendary MiBe of the Shining One (Zig:19)
  The ghost of melllvar the Conqueror, a legendary MiBe of the Shining One (Zig:21)
  The ghost of reasonance the Bringer of Law, a legendary HOMo of Zin (Zig:19)
  The ghost of reasonance the Bringer of Law, a legendary HOMo of Zin (Zig:19)
  The ghost of deprived the Bringer of Light, a legendary HOFi of the Shining One (Zig:19)
  The ghost of Hacvoq the Conqueror, a legendary HOFi of Zin (Zig:11)
  The ghost of corvin the Slayer, a legendary OgWn of Dithmenos (Zig:11)
  The ghost of corvin the Slayer, a legendary OgWn of Dithmenos (Zig:21)
  The ghost of corvin the Slayer, a legendary OgWn of Dithmenos (Zig:21)
  The ghost of Xorhowon the Invulnerable, a legendary MiBe of Trog (Zig:21)
  The ghost of Fouwomub the Sorcerer, a legendary FoEE of Vehumet (Zig:19)
  The ghost of Fouwomub the Sorcerer, a legendary FoEE of Vehumet (Zig:11)
  The ghost of Sext the Conqueror, a legendary MiFi of the Shining One (Zig:19)
  788 pandemonium lords
  The ghost of sleeves the Metallomancer, a legendary HuEE of Vehumet (Zig:19)
  The ghost of Hewasun the Conqueror, a legendary MiBe of the Shining One (Zig:21)
  The ghost of Hewasun the Conqueror, a legendary MiBe of the Shining One (Zig:21)
  The ghost of agentgt the Executioner, a legendary MiCK of Xom (Zig:11)
  The ghost of strangelove the Metallomancer, a master GrEE of Vehumet (Zig:19)
  The ghost of strangelove the Metallomancer, a master GrEE of Vehumet (Zig:19)
  The ghost of Likado the Gnoll Barricade, a legendary GnSk of the Shining One (Zig:19)
  The ghost of Giojuova the Slayer, a legendary GnBe of Trog (Zig:21)
  The ghost of Giojuova the Slayer, a legendary GnBe of Trog (Zig:11)
  The ghost of Giojuova the Slayer, a legendary GnBe of Trog (Zig:19)
  The ghost of Unuchuin the Marksgnoll, a legendary GnFi of the Shining One (Zig:11)
  The ghost of Fugi the Sniper, a legendary FoFi of Ashenzari (Zig:19)
  The ghost of Zenecom the Conqueror, a legendary MiFi of Makhleb (Zig:19)
  The ghost of Zenecom the Conqueror, a legendary MiFi of Makhleb (Zig:21)
  The ghost of Unuchuin the Marksgnoll, a legendary GnFi of the Shining One (Zig:21)
  The ghost of Unuchuin the Marksgnoll, a legendary GnFi of the Shining One (Zig:11)
  The ghost of sleeves the End of an Era, a legendary DsFi of Qazlal (Zig:11)
  The ghost of sleeves the End of an Era, a legendary DsFi of Qazlal (Zig:19)
  The ghost of sleeves the End of an Era, a legendary DsFi of Qazlal (Zig:21)
  The ghost of sleeves the End of an Era, a legendary DsFi of Qazlal (Zig:21)
  The ghost of Ecsetopt the Hawkeye, a legendary BaWn of Cheibriados (Zig:19)
  The ghost of Fueng the Bringer of Law, a legendary HOFi of Zin (Zig:11)
  The ghost of Kalug the Executioner, a legendary DrFi of Cheibriados (Zig:21)
  The ghost of Kalug the Executioner, a legendary DrFi of Cheibriados (Zig:21)
  The ghost of Zoplarin the Conqueror, a legendary BaSk of Cheibriados (Zig:11)
  The ghost of Zoplarin the Conqueror, a legendary BaSk of Cheibriados (Zig:21)
  The ghost of Hillam the Grand Master, a legendary DsTm of Cheibriados (Zig:21)
  The ghost of Qiywkoxu the Sorcerer, a legendary DjVM of Ashenzari (Zig:11)
  30 juggernauts
  The ghost of Xaowkis the Impregnable, a legendary GnWr of Cheibriados (Zig:21)
  The ghost of Zachydoop the Conqueror, a veteran MiMo of Ru (Zig:11)
  The ghost of Wammos the Grand Master, a legendary TeCj of Cheibriados (Zig:21)
  The ghost of Talannal the Sharpshooter, a legendary GnHW of Cheibriados (Zig:11)
  The ghost of Talannal the Sharpshooter, a legendary GnHW of Cheibriados (Zig:21)
  The ghost of Alysiarr the Cutthroat, a legendary KoHu of Okawaru (Zig:21)
  The ghost of Alysiarr the Cutthroat, a legendary KoHu of Okawaru (Zig:21)
  The ghost of Alysiarr the Cutthroat, a legendary KoHu of Okawaru (Zig:11)
  3 royal mummies
  The ghost of Xocw the Executioner, a legendary GrMo of the Shining One (Zig:21)
  The ghost of Ciweycke the Warrior, a legendary VSBr of Ashenzari (Zig:21)
  The ghost of Ciweycke the Warrior, a legendary VSBr of Ashenzari (Zig:21)
  The ghost of Ciweycke the Warrior, a legendary VSBr of Ashenzari (Zig:21)
  The ghost of stevelinton the Ninja, a legendary KoBe of Trog (Zig:21)
  The ghost of xzight the Conqueror, a legendary MiBe of Trog (Zig:21)
  The ghost of Walil the Intangible, a veteran MiMo of Dithmenos (Zig:21)
  The ghost of Kufiz the Slayer, a master GrCK of Xom (Zig:21)
  The ghost of thechecker02 the Impregnable, a legendary DDFi of Makhleb (Zig:21)
  The ghost of thechecker02 the Impregnable, a legendary DDFi of Makhleb (Zig:21)
  The ghost of thechecker02 the Impregnable, a legendary DDFi of Makhleb (Zig:11)
  The ghost of Viugiw the Slayer, a legendary TeBe of the Shining One (Zig:21)
  The ghost of Viugiw the Slayer, a legendary TeBe of the Shining One (Zig:19)
  32 shard shrikes
  The ghost of Waohesse the Slayer, a legendary VSFi of the Shining One (Zig:21)
  The ghost of Evehuixoju the Rhythm of Life and Death, a legendary VSFi of Uskayaw (Zig:21)
  The ghost of Joizeul the Slayer, a veteran MiBe of Trog (Zig:19)
  the Lernaean hydra (Swamp:4)
  The ghost of Qatinlae the Archmage, a veteran DEFE of Sif Muna (Zig:21)
  The ghost of Qatinlae the Archmage, a veteran DEFE of Sif Muna (Zig:21)
  The ghost of meatyocre the Brawler, a veteran TrFi of Uskayaw (Zig:11)
  The ghost of meatyocre the Brawler, a veteran TrFi of Uskayaw (Zig:19)
  The ghost of meatyocre the Brawler, a veteran TrFi of Uskayaw (Zig:21)
  The ghost of astronautguy the Lord of Darkness, a master DEFE of Kikubaaqudgha (Zig:21)
  The ghost of astronautguy the Lord of Darkness, a master DEFE of Kikubaaqudgha (Zig:21)
  The ghost of astronautguy the Lord of Darkness, a master DEFE of Kikubaaqudgha (Zig:11)
  The ghost of Heartburn the Minotaur Barricade, a veteran MiFi of Okawaru (Zig:11)
  The ghost of Heartburn the Minotaur Barricade, a veteran MiFi of Okawaru (Zig:11)
  The ghost of Heartburn the Minotaur Barricade, a veteran MiFi of Okawaru (Zig:21)
  274 Killer Klowns
  The ghost of EricTams the Hoplite, a veteran MiBe of Trog (Zig:11)
  2 caustic shrikes (shapeshifter)
  82 caustic shrikes
  The ghost of Janeylunn the Victor of a Thousand Battles, a veteran GnWn of Okawaru (Zig:19)
  The ghost of Anafel the Impregnable, a legendary GrFi of the Shining One (Zig:11)
  A golden dragon (shapeshifter) (Zig:25)
  11 curse toes
  The ghost of Pohawk the Severer, an adept MiGl of the Shining One (Zig:11)
  The ghost of Gemnonof the Warrior, an adept DgCj (Zig:19)
  The ghost of Gemnonof the Warrior, an adept DgCj (Zig:21)
  The ghost of Asaxtuyhipro the Severer, an adept MiCK of Xom (Zig:21)
  The ghost of Uhosoup the Slayer, a veteran GrFi of Okawaru (Zig:21)
  16 bone dragons
  60 golden dragons
  The ghost of Saphesar the End of an Era, a veteran DsFi of Qazlal (Zig:21)
  The ghost of Saphesar the End of an Era, a veteran DsFi of Qazlal (Zig:21)
  25 Brimstone Fiends
  An electric golem (Zig:18)
  5 doom hounds
  31 Tzitzimimeh
  10 profane servitors
  57 iron giants
  The ghost of Xutext the Spry, an adept DsAK of Lugonu (Zig:21)
  The ghost of Xutext the Spry, an adept DsAK of Lugonu (Zig:21)
  The ghost of Xutext the Spry, an adept DsAK of Lugonu (Zig:21)
  54 hellephants
  60 tentacled monstrosities
  49 Ice Fiends
  A walking crystal tome (Zig:22)
  6 iron giants (shapeshifter)
  4 tainted leviathans
  The ghost of Zeph the Severer, an adept NaFi of Cheibriados (Zig:21)
  9 quicksilver dragons
  A titan (shapeshifter) (Zig:25)
  23 liches
  2 Orb Guardians (Zot:5)
  13 deep elf blademasters
  42 Hell Sentinels
  30 titans
  32 deep elf master archers
  15 quicksilver dragons (shapeshifter)
  15 acid blobs
  6 tentacled starspawn
  2 acid blobs (shapeshifter)
  43 searing wretches
  16 ancient champions
  19 sphinxes
  A death cob (Zot:2)
  21 sphinxes (shapeshifter)
  The ghost of frimble the Victor of a Thousand Battles, an adept DsGl of Okawaru (Zig:11)
  The ghost of frimble the Victor of a Thousand Battles, an adept DsGl of Okawaru (Zig:21)
  The ghost of frimble the Victor of a Thousand Battles, an adept DsGl of Okawaru (Zig:21)
  26 Executioners
  29 eldritch tentacles
  11 shadow dragons
  The ghost of Himmaryad the Brawler, an adept TrMo of Nemelex Xobeh (Zig:21)
  The ghost of Polaczum the Brawler, an adept TrMo of Nemelex Xobeh (Zig:21)
  The ghost of Ubraesch the Brawler, an adept TrMo of Nemelex Xobeh (Zig:21)
  The ghost of Polaczum the Brawler, an adept TrMo of Nemelex Xobeh (Zig:21)
  The ghost of Himmaryad the Brawler, an adept TrMo of Nemelex Xobeh (Zig:21)
  The ghost of Viocziel the Brawler, an adept TrMo of Nemelex Xobeh (Zig:21)
  The ghost of Ubraesch the Brawler, an adept TrMo of Nemelex Xobeh (Zig:21)
  3 thorn hunters
  A storm dragon (shapeshifter) (Zig:26)
  3 storm dragons
  13 tengu reavers
  74 nagarajas
  16 azure jellies
  58 draconian monks
  20 azure jellies (shapeshifter)
  24 fire giants (shapeshifter)
  38 revenants
  17 fenstrider witches (shapeshifter)
  23 shadow dragons (shapeshifter)
  47 demonspawn warmongers
  5 fenstrider witches
  31 rockslimes
  9 vault wardens
  108 draconian knights
  A daeva (Zig:10)
  38 iron dragons
  45 fire giants
  30 frost giants
  8 narguns
  25 frost giants (shapeshifter)
  15 quicksilver elementals
  An emperor scorpion (shapeshifter) (Zig:25)
  79 balrugs
  8 emperor scorpions
  6 deep elf sorcerers
  20 curse skulls
  2 shard shrike simulacra
  36 ghost moths
  3 ghost moths (shapeshifter)
  58 draconian scorchers
  47 draconian annihilators
  A juggernaut zombie (Zig:5)
  66 orc warlords
  4 ironbound preservers
  49 draconian stormcallers
  A ghoul (Zig:11)
  29 draconian shifters
  2 iron dragons (shapeshifter)
  42 reapers
  35 demonspawn blood saints
  A deep elf elementalist (Zig:19)
  72 war gargoyles
  2 broodmothers
  4 quicksilver oozes (shapeshifter)
  37 cacodemons
  44 demonspawn corrupters
  2 broodmothers (shapeshifter)
  A formless jellyfish (shapeshifter) (Zig:19)
  66 stone giants
  2 angels
  4 quicksilver oozes
  21 stone giants (shapeshifter)
  177 very ugly things
  An apis (Zig:10)
  16 black draconians
  3 starflowers (Abyss:6)
  17 deep elf demonologists
  60 demonspawn black suns
  7 vampire knights
  21 yellow draconians
  3 putrid mouths (Zig:27)
  16 eleionomae
  26 lorocyprocas
  23 green draconians
  25 eleionomae (shapeshifter)
  29 white draconians
  3 bennus
  23 purple draconians
  16 dire elephants (shapeshifter)
  3 minotaurs (shapeshifter)
  8 bunyips
  14 dire elephants
  6 wendigos
  3 spark wasps
  33 red draconians
  23 deep elf annihilators
  3 minotaurs
  7 bunyips (shapeshifter)
  45 eidola
  11 crystal guardians
  56 blizzard demons
  12 entropy weavers
  22 iron golems
  57 deep elf death magi
  74 merfolk javelineers
  2 mummy priests
  22 fire dragons
  12 ettins
  28 deep elf high priests
  7 great orbs of eyes
  69 green deaths
  A fire dragon (shapeshifter) (Zig:27)
  4 ice dragons
  12 merfolk impalers
  159 shambling mangroves
  45 salamander tyrants
  A rakshasa (Zig:25)
  30 hell beasts
  A vault guard (D:14)
  6 great orbs of eyes (shapeshifter)
  13 yaktaur captains
  22 ghost crabs
  3 entropy weavers (shapeshifter)
  3 catoblepae (shapeshifter)
  An ice dragon (shapeshifter) (Zig:17)
  4 jorogumos (shapeshifter)
  10 juggernaut simulacra
  2 jorogumos
  3 ogre magi
  114 hydras
  2 alligators (shapeshifter)
  17 spriggan air magi
  21 catoblepae
  8 caustic shrike simulacra
  13 centaur warriors
  14 anacondas
  8 alligator snapping turtles
  2 boulder beetles (shapeshifter)
  13 alligators
  11 stokers
  3 radroaches
  4 death yaks (shapeshifter)
  15 alligator snapping turtles (shapeshifter)
  6 anacondas (shapeshifter)
  2 two-headed ogres (Zig:12)
  9 naga warriors
  6 two-headed ogres (shapeshifter)
  21 dancing weapons
  21 satyrs
  3 satyrs (shapeshifter)
  82 merfolk aquamancers
  2 death yaks
  3 vampire magi
  17 boulder beetles
  3 death scarabs
  12 hell hogs
  36 naga sharpshooters
  41 deep elf knights
  3 shock serpents (shapeshifter)
  14 thrashing horrors
  42 orc high priests
  17 shock serpents
  25 soul eaters
  A spectral dire elephant (Tar:3)
  A spriggan berserker (Zig:23)
  24 hell knights
  3 fire crabs (shapeshifter)
  16 crystal echidnas
  A fire crab (Zig:15)
  5 skysharks (shapeshifter)
  8 spriggans
  5 sun demons
  8 iron trolls
  18 iron trolls (shapeshifter)
  4 shadow wraiths
  56 death drakes
  7 salamander mystics
  12 sixfirhies
  16 wretched stars
  2 skysharks (Zig:24)
  2 pharaoh ants
  5 sea snakes
  11 goliath frogs
  7 goliath frogs (shapeshifter)
  An anaconda zombie (Abyss:5)
  2 sea snakes (shapeshifter)
  6 spatial maelstroms
  21 spriggan druids
  A cherub (Zig:10)
  3 glowing orange brains
  18 shadow demons
  5 deep trolls (shapeshifter)
  2 deep trolls
  8 glowing orange brains (shapeshifter)
  4 flayed ghosts
  6 orb spiders
  A fenstrider witch simulacrum (Hell)
  6 orb spiders (shapeshifter)
  7 death drakes (shapeshifter)
  7 naga ritualists
  18 phantasmal warriors
  3 wizards
  7 swamp dragons (shapeshifter)
  29 deep elf archers
  50 swamp dragons
  An orange crystal statue (Zig:1)
  6 spriggan simulacra
  An obsidian statue (Zig:5)
  2 harpies (shapeshifter)
  14 harpies
  7 bog bodies
  4 mana vipers (shapeshifter)
  4 lindwurms (shapeshifter)
  2 steelbarb worms (shapeshifter) (Zig:12)
  9 shining eyes
  3 necromancers
  45 deep elf pyromancers
  An ironbound convoker (Zig:7)
  A steelbarb worm (Zig:6)
  6 orc knights
  102 ugly things
  2 wolf spiders (Zig:16)
  5 salamanders (shapeshifter)
  46 deep elf zephyrmancers
  9 orc sorcerers
  A sphinx skeleton (Zig:8)
  26 large abominations
  8 mana vipers
  25 moths of wrath
  A wolf spider (shapeshifter) (Zig:20)
  7 manticores (shapeshifter)
  13 fauns
  3 worldbinders
  5 shining eyes (shapeshifter)
  7 will-o-the-wisps
  2 cyclopes (shapeshifter)
  2 iron dragon skeletons
  5 fauns (shapeshifter)
  An elephant (shapeshifter) (Zig:25)
  15 manticores
  18 merfolk sirens
  2 titan simulacra
  19 cyclopes
  4 guardian serpents (shapeshifter)
  A fire giant skeleton (Zig:8)
  5 vault sentinels
  2 elephants
  24 guardian serpents
  5 rust devils
  51 black mambas
  142 apocalypse crabs
  8 moths of wrath (shapeshifter)
  20 naga magi
  A toenail golem (Zig:25)
  6 demonic crawlers
  3 eyes of devastation
  7 eyes of devastation (shapeshifter)
  9 gargoyles
  28 torpor snails
  An ice statue (Coc:5)
  19 smoke demons
  3 torpor snails (shapeshifter)
  62 water nymphs
  6 orange demons
  5 storm dragon simulacra
  3 black mambas (shapeshifter)
  A water nymph (shapeshifter) (Zig:20)
  A cane toad (shapeshifter) (Zig:26)
  An unseen horror (Zig:18)
  9 rime drakes
  8 cane toads
  5 yaktaurs
  5 komodo dragons
  A spark wasp simulacrum (Zig:9)
  3 unseen horrors (shapeshifter)
  3 yaktaurs (shapeshifter)
  66 hellions
  4 efreet
  7 golden dragon simulacra
  2 rime drakes (shapeshifter)
  3 komodo dragons (shapeshifter)
  8 ice devils
  71 tormentors
  2 freezing wraiths (Zig:23)
  5 guardian mummies
  3 silent spectres
  8 ancient zymes
  2 trolls (shapeshifter)
  5 red devils
  4 meliai (shapeshifter)
  6 tyrant leeches
  14 wind drakes
  5 merfolk (shapeshifter)
  53 merfolk
  4 polar bears
  200 hornets
  9 hellwings
  A hornet (shapeshifter) (Zig:26)
  A queen bee (shapeshifter) (Zig:26)
  4 trolls
  8 bloated husks
  A blink frog (Zig:17)
  3 shadow dragon simulacra
  5 tengu simulacra
  2 meliai
  2 dream sheep (Zig:27)
  6 tarantellas (shapeshifter)
  A sphinx simulacrum (Zig:13)
  4 wind drakes (shapeshifter)
  5 raiju
  9 dream sheep (shapeshifter)
  A saltling (Desolation)
  3 blink frogs (shapeshifter)
  8 snapping turtles
  A stone giant simulacrum (Coc:3)
  7 snapping turtles (shapeshifter)
  4 slime creatures (shapeshifter)
  3 frost giant simulacra
  3 ushabtiu
  4 iron dragon simulacra
  38 slime creatures
  2 jumping spiders
  4 jumping spiders (shapeshifter)
  2 spriggans (shapeshifter)
  3 flying skulls
  A wyvern (shapeshifter) (Zig:20)
  A shadow (D:12)
  A yak (shapeshifter) (Zig:20)
  A culicivora (Zig:6)
  A culicivora (shapeshifter) (Zig:12)
  8 air elementals
  18 ynoxinuls
  41 water elementals
  6 fire elementals
  2 humans (shapeshifter)
  3 wyverns
  A hog (shapeshifter) (Zig:17)
  7 yaks
  2 fire bats (shapeshifter)
  6 golden eyes
  2 basilisks (shapeshifter)
  113 chaos spawn
  4 golden eyes (shapeshifter)
  A steam dragon (Zig:27)
  13 redbacks (shapeshifter)
  3 redbacks
  2 vampire mosquitoes
  13 neqoxecs
  2 swamp worms (Swamp:3)
  A steam dragon (shapeshifter) (Zig:25)
  3 harpy simulacra
  4 wargs
  A naga (shapeshifter) (Zig:17)
  4 hell hounds
  2 acid dragons (Zig:27)
  22 nagas
  5 swamp worms (shapeshifter)
  A hydra simulacrum (Coc:7)
  2 acid dragons (shapeshifter)
  6 floating eyes (shapeshifter)
  A water moccasin (shapeshifter) (Zig:23)
  15 water moccasins
  6 floating eyes
  An ice beast (Zig:16)
  2 swamp drakes (shapeshifter)
  40 orc warriors
  2 swamp drakes (Zig:27)
  A sky beast (D:10)
  An ice beast (shapeshifter) (Zig:14)
  2 black bears (shapeshifter)
  A tengu (shapeshifter) (Zig:19)
  2 wolves (shapeshifter)
  21 ogres
  2 wolves
  A tengu (Zig:18)
  2 ogres (shapeshifter)
  A centaur (shapeshifter) (Zig:19)
  A kobold brigand (D:8)
  6 earth elementals
  A human simulacrum (Zig:6)
  A killer bee (shapeshifter) (Zig:23)
  3 orc priests
  A hound (shapeshifter) (Zig:20)
  2 small abominations
  A jelly (Zot:4)
  104 starcursed masses
  A hell rat (Zig:8)
  3 orc wizards
  20 mummies
  2 gnolls
  A worm (shapeshifter) (Zig:20)
  An orc (Elf:3)
  3 kobolds
  220 ball lightnings
  372 ballistomycete spores
  6 creeping infernos
  37 fire vortices
  190 foxfires
  6 lurking horrors
  530 starspawn tentacles
  4 tentacles (Abyss:6)
9282 creatures vanquished.

Grand Total: 123061 creatures vanquished

Notes
Turn   | Place    | Note
-------+----------+-------------------------------------------
     0 | D:1      | Ambrosia the Gargoyle Fighter began the quest for the Orb.
     0 | D:1      | Reached XP level 1. HP: 14/14 MP: 1/1
    27 | D:1      | Entered explore mode.
    73 | D:2      | Reached XP level 2. HP: 13/19 MP: 2/2
    87 | D:2      | Reached XP level 3. HP: 20/23 MP: 3/3
   224 | D:2      | Found a stormy altar of Qazlal.
   277 | D:2      | You fall into a shaft and drop 2 floors!
   360 | D:5      | Entered Level 5 of the Dungeon
   375 | D:5      | Reached XP level 4. HP: 24/29 MP: 4/4
   421 | D:6      | Noticed Edmund
   421 | D:6      | Noticed a scorpion
   421 | D:6      | Found a staircase to the Ecumenical Temple.
   426 | D:6      | Killed a scorpion
   427 | D:6      | Reached XP level 5. HP: 26/33 MP: 5/5
   443 | D:6      | Killed Edmund
   444 | D:6      | Reached XP level 6. HP: 23/39 MP: 6/6
   447 | D:6      | Identified the amulet "Kihem" {Spirit rElec Dex+3}
   459 | Temple   | Entered the Ecumenical Temple
   783 | Temple   | Became a worshipper of Ru the Awakened
   884 | D:6      | Noticed a water moccasin
   897 | D:6      | Killed a water moccasin
   898 | D:6      | Reached skill level 5 in Fighting
   898 | D:6      | Reached skill level 5 in Armour
   898 | D:6      | Reached skill level 5 in Shields
   990 | D:6      | Noticed an ice beast
  1009 | D:6      | Killed an ice beast
  1010 | D:6      | Reached XP level 7. HP: 23/44 MP: 3/7
  1129 | D:6      | HP: 1/44 [ogre/+0 giant club (9)]
  1130 | D:6      | Slain by an ogre
                  | ... wielding a +0 giant club
                  | (4 damage)
  1162 | D:7      | Slain by a gnoll
                  | ... wielding a +0 spear
                  | ... led by a gnoll sergeant
                  | (3 damage)
  1172 | D:7      | HP: 2/44 [gnoll/+0 spear[a gnoll sergeant] (5)]
  1172 | D:7      | Slain by a gnoll sergeant
                  | ... wielding a +0 trident
                  | (6 damage)
  1380 | D:7      | HP: 1/45 [scorpion (5)]
  1382 | D:7      | Reached XP level 8. HP: 2/51 MP: 1/8
  1382 | D:7      | Slain by an orc
                  | ... wielding a +0 trident
                  | (3 damage)
  1452 | D:7      | Found a white marble altar of Elyvilon.
  1573 | D:10     | Entered Level 10 of the Dungeon
  1585 | D:10     | HP: 1/51 [steam dragon (2)]
  1586 | D:10     | Killed from afar by a steam dragon (13 damage)
                  | ... with a ball of steam
  1586 | D:10     | Noticed a vampire
  1586 | D:10     | Noticed a troll
  1592 | D:10     | Mangled by a troll (10 damage)
  1597 | D:10     | HP: 2/51 [troll (5)]
  1597 | D:10     | Mangled by a vampire (9 damage)
  1605 | D:10     | Killed a troll
  1609 | D:10     | HP: 2/52 [something (2)]
  1609 | D:10     | Slain by a steam dragon (2 damage)
  1611 | D:10     | Reached skill level 5 in Axes
  1617 | D:10     | Slain by a vampire (7 damage)
  1639 | D:10     | Upgraded the game from 0.30-a0-1018-g25214051b3 to
                  | 0.30-a0-1035-g38d5fb2972
  1658 | D:10     | HP: 1/52 [something (2)]
  1660 | D:10     | Slain by a vampire (4 damage)
  1683 | D:10     | Slain by a vampire (4 damage)
  1697 | D:10     | HP: 1/52 [something (7)]
  1698 | D:10     | Slain by a vampire (1 damage)
  1710 | D:10     | Killed a vampire
  1711 | D:10     | Reached XP level 9. HP: 16/57 MP: 1/9
  1988 | D:10     | Noticed a gargoyle
  1993 | D:10     | Killed from afar by a gargoyle (15 damage)
                  | ... with a stone arrow
  1994 | D:10     | Noticed Joseph
  1996 | D:10     | Killed from afar by an acid dragon (26 damage)
                  | ... with a splash of acid
  2000 | D:10     | Slain by a gargoyle
                  | ... wielding a +0 flail
                  | (16 damage)
  2005 | D:10     | Killed a gargoyle
  2033 | D:10     | Killed Joseph
  2063 | D:10     | Found a burning altar of Makhleb.
  2063 | D:10     | Noticed an Executioner
  2244 | D:10     | Gained mutation: You occasionally lose the ability to drink
                  | potions when taking damage. [Ru sacrifice]
  2244 | D:10     | Gained mutation: You sometimes lose the ability to drink
                  | potions when taking damage. [Ru sacrifice]
  2244 | D:10     | Reached * piety under Ru
  2251 | D:10     | Noticed a komodo dragon
  2258 | D:10     | Killed a komodo dragon
  2585 | D:10     | Found a staircase to the Lair.
  2656 | Lair:1   | Entered Level 1 of the Lair of Beasts
  2664 | Lair:1   | Noticed a cane toad
  2678 | Lair:1   | Killed a cane toad
  2679 | Lair:1   | Reached XP level 10. HP: 43/64 MP: 6/10
  2810 | Lair:1   | Noticed Maggie
  2826 | Lair:1   | Killed Maggie
  3249 | Lair:1   | Noticed a cane toad
  3257 | Lair:1   | Noticed a black mamba
  3258 | Lair:1   | Killed a cane toad
  3261 | Lair:1   | Slain by a black mamba (13 damage)
  3267 | Lair:1   | Killed a black mamba
  3283 | Lair:1   | Mangled by a blink frog (11 damage)
  3828 | Lair:1   | Reached XP level 11. HP: 68/71 MP: 9/11
  3872 | Lair:1   | Found the +18 Lear's hauberk
  3895 | Lair:1   | Noticed a boulder beetle
  3941 | Lair:1   | Killed a boulder beetle
  3942 | Lair:1   | Reached skill level 10 in Fighting
  3942 | Lair:1   | Reached skill level 10 in Armour
  3942 | Lair:1   | Reached skill level 10 in Shields
  4521 | Lair:2   | Found a snail-covered altar of Cheibriados.
  4860 | Lair:2   | Gained mutation: You occasionally lose the ability to read
                  | scrolls when taking damage. [Ru sacrifice]
  4860 | Lair:2   | Gained mutation: You sometimes lose the ability to read
                  | scrolls when taking damage. [Ru sacrifice]
  4860 | Lair:2   | Reached ** piety under Ru
  4860 | Lair:2   | Reached *** piety under Ru
  5304 | Lair:2   | Noticed a death yak
  5321 | Lair:2   | Killed a death yak
  5532 | Lair:2   | Noticed a boulder beetle
  5558 | Lair:2   | Killed a boulder beetle
  5963 | Lair:2   | Identified the ring "Zanic" {Ice *Slow Int+3 Dex+5}
  5965 | Lair:2   | Identified the +5 war axe of the Empty Page {antimagic,
                  | rN++ rCorr Str+3 Dex-4}
  6325 | Lair:3   | Found a staircase to the Snake Pit.
  6543 | Snake:1  | Entered Level 1 of the Snake Pit
  6662 | Snake:1  | Noticed a mana viper
  6670 | Snake:1  | Noticed a naga ritualist
  6675 | Snake:1  | Killed a mana viper
  6676 | Snake:1  | Reached XP level 12. HP: 28/79 MP: 0/12
  6684 | Snake:1  | HP: 4/80 [naga ritualist/+0 war axe (12)]
  6690 | Snake:1  | Slain by a naga mage
                  | ... wielding a +0 club
                  | (5 damage)
  7077 | Snake:1  | Noticed a naga sharpshooter
  7093 | Snake:1  | Killed a naga sharpshooter
  7147 | Snake:1  | Noticed a shock serpent
  7165 | Snake:1  | Killed a shock serpent
  7330 | Snake:1  | Slain by a salamander mystic
                  | ... wielding a +0 quarterstaff
                  | (8 damage)
  7592 | Snake:1  | Noticed an anaconda
  7603 | Snake:1  | Killed an anaconda
  7729 | Snake:1  | Noticed an anaconda
  7736 | Snake:1  | HP: 2/81 [anaconda (6)]
  7737 | Snake:1  | Constricted to death by an anaconda (2 damage)
  7745 | Snake:1  | Killed an anaconda
  8204 | Snake:1  | Reached skill level 10 in Axes
  8859 | Snake:2  | Reached XP level 13. HP: 67/86 MP: 3/13
  8965 | Snake:2  | Killed from afar by a shock serpent (8 damage)
                  | ... with a bolt of electricity
  9245 | Snake:2  | Gained mutation: You cannot train Dodging skill. [Ru
                  | sacrifice]
  9245 | Snake:2  | Reached **** piety under Ru
 11268 | Snake:3  | Found Ewuluaka's Antique Weapon Shoppe.
 11270 | Snake:3  | Found Efear's Book Emporium.
 11272 | Snake:3  | Found Xyreur's Armour Shoppe.
 11412 | Snake:3  | Noticed Asterion
 11416 | Snake:3  | Noticed a balrug
 11427 | Snake:3  | Killed from afar by a balrug (12 damage)
                  | ... with a fireball
                  | ... summoned by Asterion
 11436 | Snake:3  | HP: 4/88 [balrug/bolt of fire[Asterion] (14)]
 11439 | Snake:3  | Mangled by Asterion
                  | ... wielding a +0 demon trident of draining
                  | (18 damage)
 11444 | Snake:3  | Killed from afar by a balrug (41 damage)
                  | ... with a fireball
                  | ... summoned by Asterion
 11446 | Snake:3  | Mangled by Asterion
                  | ... wielding a +0 demon trident of draining
                  | (11 damage)
 11450 | Snake:3  | Slain by a balrug
                  | ... wielding a +0 demon whip
                  | ... summoned by Asterion
                  | (23 damage)
 11453 | Snake:3  | Mangled by Asterion
                  | ... wielding a +0 demon trident of draining
                  | (19 damage)
 11456 | Snake:3  | HP: 1/88 [balrug/+0 demon whip[Asterion] (21)]
 11456 | Snake:3  | Slain by Asterion
                  | ... wielding a +0 demon trident of draining
                  | (4 damage)
 11461 | Snake:3  | Killed Asterion
 11786 | Snake:3  | Noticed Vashnia
 11799 | Snake:3  | HP: 4/88 [naga sharpshooter/bolt[Vashnia] (4)]
 11800 | Snake:3  | Shot with a bolt by a naga sharpshooter (10 damage)
                  | ... led by Vashnia
 11815 | Snake:3  | Gained mutation: Your large and strong wings let you fly.
                  | [Gargoyle growth]
 11815 | Snake:3  | Reached XP level 14. HP: 58/94 MP: 10/14
 11818 | Snake:3  | Killed Vashnia
 12193 | Snake:4  | Entered Level 4 of the Snake Pit
 12224 | Snake:4  | Mangled by a naga
                  | ... wielding a +0 halberd
                  | (18 damage)
 12235 | Snake:4  | Annihilated by a naga
                  | ... wielding a +0 halberd
                  | (30 damage)
 12460 | Snake:4  | Slain by a salamander
                  | ... wielding a +0 glaive of venom
                  | (17 damage)
 12725 | Snake:4  | Gained mutation: You are sensitive to extremes of
                  | temperature. (rF-, rC-) [Ru sacrifice]
 12725 | Snake:4  | Reached ***** piety under Ru
 12725 | Snake:4  | Reached ****** piety under Ru
 12834 | Snake:4  | HP: 3/95 [constriction (2)]
 12836 | Snake:4  | Noticed a nagaraja
 12836 | Snake:4  | Shot with a bolt by a naga sharpshooter (10 damage)
 12839 | Snake:4  | Mangled by a salamander tyrant (18 damage)
 12845 | Snake:4  | Shot with a bolt by a naga sharpshooter (19 damage)
 12849 | Snake:4  | HP: 2/95 [constriction (3)]
 12849 | Snake:4  | Shot with a bolt by a naga sharpshooter (25 damage)
 12852 | Snake:4  | Slain by a nagaraja
                  | ... wielding a +0 club
                  | (26 damage)
 12858 | Snake:4  | Slain by a nagaraja
                  | ... wielding a +0 club
                  | (28 damage)
 12860 | Snake:4  | Mangled by a salamander tyrant (43 damage)
 12862 | Snake:4  | Noticed a nagaraja
 12864 | Snake:4  | Slain by a salamander
                  | ... wielding a +0 trident
                  | (21 damage)
 12865 | Snake:4  | Killed from afar by a salamander tyrant (50 damage)
 12867 | Snake:4  | HP: 1/96 [nagaraja/+0 spear (11)]
 12867 | Snake:4  | Constricted to death by a nagaraja (2 damage)
 12869 | Snake:4  | Shot with an arrow by a naga sharpshooter (20 damage)
 12871 | Snake:4  | Slain by a salamander tyrant (5 damage)
 12872 | Snake:4  | Mangled by a salamander tyrant (33 damage)
 12874 | Snake:4  | HP: 3/96 [salamander tyrant (2)]
 12874 | Snake:4  | Annihilated by a salamander tyrant (30 damage)
 12875 | Snake:4  | Killed a nagaraja
 12877 | Snake:4  | Slain by a naga warrior
                  | ... wielding a +0 hand axe
                  | (18 damage)
 12880 | Snake:4  | Mangled by a salamander tyrant (31 damage)
 12881 | Snake:4  | Annihilated by a salamander tyrant (36 damage)
 12882 | Snake:4  | Killed a nagaraja
 12905 | Snake:4  | Mangled by a salamander
                  | ... wielding a +0 halberd
                  | (12 damage)
 12909 | Snake:4  | Slain by a salamander
                  | ... wielding a +0 halberd
                  | (21 damage)
 12924 | Snake:4  | HP: 1/96 [salamander/+0 halberd (7)]
 12924 | Snake:4  | Demolished by a salamander
                  | ... wielding a +0 halberd
                  | (18 damage)
 13139 | Snake:4  | Got a serpentine rune of Zot
 13450 | Snake:4  | Reached XP level 15. HP: 80/101 MP: 15/15
 14534 | Lair:3   | Found a staircase to the Swamp.
 14903 | Lair:5   | Entered Level 5 of the Lair of Beasts
 14929 | Lair:5   | Reached skill level 15 in Armour
 14929 | Lair:5   | Reached skill level 15 in Shields
 14989 | Lair:5   | Reached skill level 15 in Fighting
 15290 | Lair:5   | Found a corrupted altar of Lugonu.
 15290 | Lair:5   | Found a one-way gate to the infinite horrors of the Abyss.
 15300 | Lair:5   | Identified the +1 leather armour "Kipa Nis" {Dex+3 SInv}
 16237 | Lair:5   | Found a staircase to the Slime Pits.
 16333 | Lair:5   | HP: 4/103 [komodo dragon (14)]
 16337 | Lair:5   | Slain by a komodo dragon (11 damage)
 16828 | Lair:4   | Found a transporter.
 17005 | Lair:4   | Found a transporter.
 17190 | Lair:4   | Identified the +2 leather armour of the Tired Leaping Beds
                  | {Regen+}
 17771 | Swamp:1  | Entered Level 1 of the Swamp
 17838 | Swamp:1  | Constricted to death by a shambling mangrove (22 damage)
 18611 | Swamp:1  | Reached XP level 16. HP: 25/109 MP: 16/16
 18614 | Swamp:1  | Killed from afar by an eleionoma (16 damage)
                  | ... with a spray of wooden splinters
 19124 | Swamp:2  | Noticed a thorn hunter
 19133 | Swamp:2  | Killed a thorn hunter
 19142 | Swamp:2  | Noticed a thorn hunter
 19169 | Swamp:2  | Noticed a thorn hunter
 19177 | Swamp:2  | Killed a thorn hunter
 19854 | Swamp:2  | Noticed a thorn hunter
 19868 | Swamp:2  | Killed a thorn hunter
 20100 | Swamp:2  | HP: 5/110 [thorn hunter/volley of thorns (36)]
 20104 | Swamp:2  | Killed a thorn hunter
 21576 | Swamp:3  | Identified a scroll of acquirement
 21576 | Swamp:3  | Acquired the ring of Jedell {Will- Str+6 Slay+5 SInv}
 21782 | Swamp:4  | Entered Level 4 of the Swamp
 21907 | Swamp:4  | Noticed a thorn hunter
 21919 | Swamp:4  | Killed a thorn hunter
 21982 | Swamp:4  | HP: 2/104 [acid (7)]
 21986 | Swamp:4  | Mangled by a swamp dragon (12 damage)
 22186 | Swamp:4  | Noticed the 27-headed Lernaean hydra
 22189 | Swamp:4  | Killed the 27-headed Lernaean hydra
 22222 | Swamp:4  | Reached XP level 17. HP: 23/111 MP: 10/17
 22242 | Swamp:4  | Killed from afar by an eleionoma (32 damage)
                  | ... with a spray of wooden splinters
 22304 | Swamp:4  | Got a decaying rune of Zot
 22932 | D:11     | Found Gela's Book Emporium.
 23312 | D:11     | Found Usutyxif's Assorted Antiques.
 23360 | D:11     | Found a staircase to the Orcish Mines.
 23822 | Orc:1    | Entered Level 1 of the Orcish Mines
 24150 | Orc:2    | Entered Level 2 of the Orcish Mines
 24150 | Orc:2    | Found Zozetugges's General Store.
 24170 | Orc:2    | Paralysed by an orc sorcerer for 4 turns
 24364 | Orc:2    | Found a staircase to the Elven Halls.
 24436 | Orc:2    | Paralysed by an ogre mage for 4 turns
 24661 | Orc:2    | Found Plog's Jewellery Emporium.
 24669 | Orc:2    | Bought a ring of magical power for 360 gold pieces
 24743 | Orc:2    | Found Kixkyeca's Antique Weapon Emporium.
 24788 | Orc:2    | Found Gagoloxa's Weapon Shoppe.
 24984 | Orc:2    | Gained mutation: You are weak. (Str -2) [a neqoxec]
 24985 | Orc:2    | Gained mutation: Your magical capacity is low. (-10% MP) [a
                  | neqoxec]
 24987 | Orc:2    | Gained mutation: Armour fits poorly on your strangely
                  | shaped body. [a neqoxec]
 24991 | Orc:2    | Found Vieciote's Antique Armour Boutique.
 25559 | Orc:1    | Found a radiant altar of Vehumet.
 25875 | Snake:3  | Bought the +2 pair of slick slippers {slick, slippery,
                  | EV+4} for 651 gold pieces
 25875 | Snake:3  | Found the +2 pair of slick slippers {slick, slippery, EV+4}
 25875 | Snake:3  | Bought a +2 pair of gloves for 280 gold pieces
 26257 | D:12     | Found Viklomae's Jewellery Shoppe.
 26266 | D:12     | Found a frozen archway.
 26279 | IceCv    | Entered an ice cave
 27727 | D:12     | Noticed Nergalle
 27737 | D:12     | Killed Nergalle
 28666 | D:13     | Identified the +0 leather armour "Yqonyed" {Harm Dex+2}
 29666 | D:14     | Found a gate to the Vaults.
 29688 | D:14     | Reached skill level 15 in Axes
 30289 | D:15     | Entered Level 15 of the Dungeon
 30395 | D:15     | Noticed Jorgrun
 30408 | D:15     | Killed Jorgrun
 30524 | D:15     | Noticed Nessos
 30524 | D:15     | Noticed Kirke
 30526 | D:15     | Killed Nessos
 30527 | D:15     | Reached XP level 18. HP: 107/117 MP: 16/16
 30531 | D:15     | Killed Kirke
 30600 | D:15     | Found a staircase to the Depths.
 30624 | Depths:1 | Entered Level 1 of the Depths
 30682 | Vaults:1 | Entered Level 1 of the Vaults
 30868 | Vaults:1 | Found a magical portal.
 30879 | WizLab   | Entered Wucad Mu's Monastery
 31210 | WizLab   | Slain by a grey draconian monk (20 damage)
                  | ... summoned by old memories
 31420 | WizLab   | Lost mutation: You are weak. (Str -2) [potion of mutation]
 31420 | WizLab   | Lost mutation: Your magical capacity is low. (-10% MP)
                  | [potion of mutation]
 31420 | WizLab   | Lost mutation: Armour fits poorly on your strangely shaped
                  | body. [potion of mutation]
 31420 | WizLab   | Gained mutation: You are vulnerable to heat. (rF-) [potion
                  | of mutation]
 31420 | WizLab   | Gained mutation: Your mind is acute. (Int +4, Str/Dex -1)
                  | [potion of mutation]
 31420 | WizLab   | Gained mutation: You are covered in fur. (AC +1) [potion of
                  | mutation]
 31690 | WizLab   | HP: 2/122 [grey draconian monk[old memories] (6)]
 31693 | WizLab   | Mangled by a grey draconian monk (12 damage)
                  | ... summoned by old memories
 31736 | WizLab   | Found the +9 staff of Wucad Mu {*channel}
 32964 | WizLab   | Reached XP level 19. HP: 114/114 MP: 19/19
 34624 | Vaults:2 | Found a flickering gateway to a bazaar.
 34661 | Bazaar   | Entered a bazaar
 34665 | Bazaar   | Found Doehoenyr's Antique Armour Boutique.
 34687 | Bazaar   | Found Ihef's Assorted Antiques.
 34692 | Bazaar   | Bought a scroll of brand weapon for 190 gold pieces
 34709 | Bazaar   | Found Veirgh's Distillery.
 34714 | Bazaar   | Bought a potion of mutation for 72 gold pieces
 34729 | Bazaar   | Found Jiehur's Antique Armour Shoppe.
 34735 | Bazaar   | Bought a heavily runed plate armour for 560 gold pieces
 34735 | Bazaar   | Identified the +5 plate armour "Yxetoiku" {*Slow rN++
                  | Regen+ rCorr Str+2} (You bought it in a shop in a bazaar)
 34770 | Bazaar   | Bought an embroidered hat for 210 gold pieces
 34830 | Bazaar   | Bought a pair of faintly humming gloves for 190 gold pieces
 34830 | Bazaar   | Identified the +1 pair of gloves "Qitosinoess" {rF+ Dex+3}
                  | (You bought it in a shop in a bazaar)
 34973 | Abyss:2  | Cast into level 2 of the Abyss (a wizard)
 35226 | Abyss:2  | Noticed a bone dragon
 35236 | Abyss:2  | Killed a bone dragon
 35292 | Abyss:2  | Noticed a bone dragon
 35297 | Abyss:2  | Noticed a bone dragon
 35313 | Abyss:2  | Reached XP level 20. HP: 115/140 MP: 20/20
 35313 | Abyss:2  | Killed a bone dragon
 35316 | Vaults:2 | Escaped the Abyss
 35319 | Vaults:2 | Killed a bone dragon
 35533 | Vaults:2 | Found a huge runed gate.
 35533 | Vaults:2 | Found a huge runed gate.
 35533 | Vaults:2 | Found a huge runed gate.
 35534 | Vaults:2 | Found a huge runed gate.
 35534 | Vaults:2 | Found a huge runed gate.
 35558 | Vaults:2 | Found a huge runed gate.
 35558 | Vaults:2 | Found a huge runed gate.
 35558 | Vaults:2 | Found a huge runed gate.
 35559 | Vaults:2 | Found a huge runed gate.
 35559 | Vaults:2 | Found a huge runed gate.
 35559 | Vaults:2 | Found a huge runed gate.
 35559 | Vaults:2 | Found a huge runed gate.
 35560 | Vaults:2 | Found a huge runed gate.
 35561 | Vaults:2 | Found a huge runed gate.
 35564 | Vaults:2 | Found a huge runed gate.
 35564 | Vaults:2 | Found a huge runed gate.
 35564 | Vaults:2 | Found a huge runed gate.
 35565 | Vaults:2 | Found a huge runed gate.
 35566 | Vaults:2 | Found a huge runed gate.
 35631 | Vaults:2 | Identified the +5 shortbow of Fuzzy Innocence {freeze, rC+
                  | Will+ Stlth-}
 35634 | Vaults:2 | Identified the +9 great mace "Betesian" {elec, rElec rPois
                  | rCorr Str-5}
 36431 | Vaults:3 | Found a portal to a secret trove of treasure.
 36699 | Vaults:3 | Found a crumbling gateway.
 36710 | Desolati | Entered the Desolation of Salt
 36913 | Desolati | Found the +8 storm bow {elec, penet}
 36922 | Desolati | Identified the +5 plate armour of Kifok {Rampage rC+ Will++
                  | Int-5}
 36949 | Desolati | Got the Tractate on Reformed Electricity
 37070 | Desolati | Found the +6 lightning scales {swift, rElec}
 37077 | Desolati | Identified the ring of Cuohayczo {Ice rN+ Will+ Str-5
                  | Int+4}
 37096 | Desolati | Identified the ring of Lulo {rC+ Str+2}
 37190 | Desolati | Identified the +5 sling of Futug {heavy, rElec Str-2 Int+3
                  | Dex+2}
 37196 | Desolati | Got Xuass's Almanac of the Storm and Contaminants
 37258 | Desolati | Identified the +5 mace "Eziull" {holy, rN+ Int+2}
 37267 | Desolati | Got the Compilation of Fixation
 38596 | D:1      | Acquired 598 gold pieces
 40406 | D:4      | Found a shimmering altar of Xom.
 40412 | D:4      | Found a stormy altar of Qazlal.
 40415 | D:4      | Found a broken altar of Ashenzari.
 40417 | D:4      | Found a hide-covered altar of Uskayaw.
 40418 | D:4      | Found a blossoming altar of Fedhas.
 41160 | D:5      | Continue finishing exploring dungeons 5-7 I think or just
                  | until they're all explored
 41160 | D:5      | Upgraded the game from 0.30-a0-1035-g38d5fb2972 to
                  | 0.30-a0-1043-g60ff8d5f49
 41213 | D:5      | Found a bloodstained altar of Trog.
 41235 | D:5      | Identified the +5 trident "Xena" {heavy, rN+}
 41760 | D:6      | Found a transporter.
 41764 | D:6      | Found a transporter.
 41765 | D:6      | Noticed Juicyj's ghost (amateur MiFi)
 42238 | D:6      | Killed Juicyj's ghost
 43212 | D:8      | Found an opulent altar of Gozag.
 44258 | D:9      | Found Luwnewef's Armour Shoppe.
 44261 | D:9      | Bought the +1 pair of gloves "Veli" {rF- Str+4 Dex+5} for
                  | 284 gold pieces
 44900 | Vaults:3 | Reached XP level 21. HP: 131/150 MP: 21/21
 45129 | Vaults:3 | Found Omiocw's Antique Weapon Shop.
 45731 | Vaults:3 | Found a staircase to the Crypt.
 47305 | Vaults:4 | Upgraded the game from 0.30-a0-1043-g60ff8d5f49 to
                  | 0.30-a0-1066-g63dfefce0d
 48006 | Vaults:5 | Entered Level 5 of the Vaults
 48006 | Vaults:5 | Noticed an ancient lich
 48013 | Vaults:5 | Killed an ancient lich
 48037 | Vaults:5 | Reached XP level 22. HP: 52/158 MP: 18/22
 48040 | Vaults:5 | HP: 4/158 [cyan very ugly thing (6)]
 48043 | Vaults:5 | Shot with a bolt by a yaktaur captain (11 damage)
 48062 | Vaults:5 | Noticed an ancient lich
 48071 | Vaults:5 | Killed an ancient lich
 48073 | Vaults:5 | Noticed an ancient lich
 48082 | Vaults:5 | Killed from afar by an ancient lich (98 damage)
                  | ... with a crystal spear
 48087 | Vaults:5 | Killed an ancient lich
 48242 | Vaults:5 | Noticed a golden dragon
 48244 | Vaults:5 | Killed a golden dragon
 48609 | Vaults:5 | Identified the +4 spear "Gemillorie" {flame, Dex+2 Stlth+}
 49055 | Vaults:5 | Got a silver rune of Zot
 49085 | Vaults:5 | Noticed a golden dragon
 49094 | Vaults:5 | Killed a golden dragon
 49167 | Vaults:5 | Identified the +4 leather armour "Ketiotav" {rElec}
 49243 | Vaults:5 | Identified the staff of death "Bizuqucear" {*Slow rElec rC-
                  | rN+ Str+9}
 49787 | Slime:1  | Entered Level 1 of the Pits of Slime
 50451 | Slime:3  | Reached XP level 23. HP: 157/157 MP: 23/23
 50794 | Slime:5  | Entered Level 5 of the Pits of Slime
 50800 | Slime:5  | Noticed the Royal Jelly
 50823 | Slime:5  | HP: 3/153 [acid[the Royal Jelly] (6)]
 50824 | Slime:5  | Splashed by an acid blob's acid (4 damage)
                  | ... created by the Royal Jelly
 50825 | Slime:5  | Annihilated by an azure jelly (36 damage)
                  | ... created by the Royal Jelly
 50827 | Slime:5  | Slain by a rockslime (18 damage)
                  | ... created by the Royal Jelly
 50828 | Slime:5  | HP: 7/153 [acid[the Royal Jelly] (2)]
 50828 | Slime:5  | HP: 2/153 [acid[the Royal Jelly] (4)]
 50828 | Slime:5  | Killed from afar by an acid blob (2 damage)
                  | ... with a splash of acid
                  | ... created by the Royal Jelly
 50829 | Slime:5  | Demolished by a rockslime (20 damage)
                  | ... created by the Royal Jelly
 50831 | Slime:5  | Annihilated by a very large slime creature (61 damage)
 50832 | Slime:5  | Killed the Royal Jelly
 50833 | Slime:5  | Mangled by a rockslime (34 damage)
                  | ... created by the Royal Jelly
 50835 | Slime:5  | HP: 7/166 [rockslime (26)]
 50836 | Slime:5  | Annihilated by a rockslime (47 damage)
                  | ... created by the Royal Jelly
 50849 | Slime:5  | Annihilated by an azure jelly (38 damage)
 50864 | Slime:5  | HP: 2/167 [acid blob (18)]
 50864 | Slime:5  | Splashed by an acid blob's acid (7 damage)
 50893 | Slime:5  | HP: 5/167 [acid (9)]
 50896 | Slime:5  | HP: 2/167 [acid (3)]
 50896 | Slime:5  | Annihilated by a rockslime (40 damage)
 51161 | Slime:5  | Identified the +5 eveningstar "Giloywyj" {heavy, rElec rC-
                  | Str+6 Int+3}
 51163 | Slime:5  | Identified the ring of Ucudda Koyl {Fly rF+ rC- Dex+10
                  | Stlth+}
 51166 | Slime:5  | Got a slimy rune of Zot
 51175 | Slime:5  | Identified the staff of poison "Ecucricu" {rElec rPois
                  | rCorr Dex+4}
 51190 | Slime:5  | Identified the +7 falchion of the Lesser Evil {antimagic,
                  | rC+ Int+4}
 51202 | Slime:5  | Identified the +7 chain mail "Imneapal" {rF+}
 51205 | Slime:5  | Identified the +0 scale mail of the Northern Lights {rF+
                  | Dex+4}
 51234 | Slime:5  | Identified the +4 battleaxe "Tuinaafe" {protect, rF+ Str-3
                  | Int+4}
 51238 | Slime:5  | Identified the ring "Lefiblon" {rElec rF+ Will+ Str+4
                  | Int+2}
 51249 | Slime:5  | Identified the +1 longbow of Egomania {flame, rF++ Will-}
 51255 | Slime:5  | Identified the +6 scimitar of the Crafting Augurer {drain,
                  | MP+9 Dex+2}
 51263 | Slime:5  | Identified the +1 robe of the Wheelwright {rN++ Dex-4}
 51266 | Slime:5  | Identified the +1 spear of Noon {flame, rPois rCorr}
 51868 | Elf:1    | Entered Level 1 of the Elven Halls
 51874 | Elf:1    | Paralysed by an air elemental for 1 turns
 52083 | Elf:1    | Noticed Nikola
 52095 | Elf:1    | Killed Nikola
 52478 | Elf:1    | Identified the +6 broad axe of the Two Names {venom, Str+7
                  | Int+4 Dex-3}
 52750 | Elf:1    | Found an ancient bone altar of Kikubaaqudgha.
 52961 | Elf:2    | Found a runed translucent gate.
 52962 | Elf:2    | Found a runed translucent gate.
 52962 | Elf:2    | Found a runed translucent gate.
 53223 | Elf:2    | Noticed Donald
 53230 | Elf:2    | Killed Donald
 53725 | Elf:3    | Entered Level 3 of the Elven Halls
 53884 | Abyss:2  | Cast into level 2 of the Abyss (reaper)
 53948 | Abyss:2  | Reached XP level 24. HP: 74/174 MP: 23/23
 53961 | Abyss:2  | Found a corrupted altar of Lugonu.
 54097 | Abyss:2  | Got the Enchiridion on Power
 54111 | Abyss:2  | Got the Parchment of the Serac
 54114 | Abyss:2  | Got the Volume of Ill-starred Filth
 54152 | Abyss:2  | Noticed an ancient lich
 54159 | Abyss:2  | Killed an ancient lich
 54223 | Abyss:2  | HP: 8/175 [acid (3)]
 54227 | Abyss:2  | Mangled by a brown very ugly thing (16 damage)
 54529 | Elf:3    | Escaped the Abyss
 54535 | Elf:3    | Noticed Saint Roka
 54551 | Elf:3    | Killed Saint Roka
 54591 | Elf:3    | Identified the +10 spear "Ykkiziw" {heavy, +Blink Str+2
                  | Stlth+}
 54862 | Elf:3    | Found the +8 Vampire's Tooth {megavamp}
 54903 | Elf:3    | Got the Compendium of Poison and Conduction
 54906 | Elf:3    | Identified the amulet of Hifih {Spirit Dex+4}
 54920 | Elf:3    | Identified the staff of fire "Fauf" {Contam rF+ rC+ rN+
                  | Will+ Stlth+}
 54939 | Elf:3    | Identified the +0 quarterstaff of Spite {drain, +Blink rF-
                  | Str+5}
 54956 | Elf:3    | Identified the +0 leather armour of Gozag, Hurling {+Inv
                  | Str+2}
 54962 | Elf:3    | Identified the +10 crystal plate armour of Dueng {Regen+}
 54964 | Elf:3    | Identified the +13 crystal plate armour of Baldness {rPois
                  | rCorr Str+3 Dex+2}
 55010 | Elf:3    | Identified the +7 sling of the Middle {antimagic, *Slow
                  | rPois rN++ SInv}
 55011 | Elf:3    | Identified the staff of death "Fiellut" {rN+ Str+2}
 55020 | Elf:3    | Identified the +9 long sword "Xumetzao" {elec, rN+ Will+}
 55162 | Elf:3    | Acquired 857 gold pieces
 55211 | Abyss:3  | Cast into level 3 of the Abyss (a deep elf demonologist)
 55476 | Elf:3    | Escaped the Abyss
 55914 | Elf:3    | Noticed Bai Suzhen
 55924 | Elf:3    | Killed Bai Suzhen
 56431 | Crypt:1  | Entered Level 1 of the Crypt
 56475 | Crypt:1  | Found a runed translucent gate.
 56475 | Crypt:1  | Found a runed translucent gate.
 56476 | Crypt:1  | Found a runed translucent gate.
 56477 | Crypt:1  | Found an ancient bone altar of Kikubaaqudgha.
 56478 | Crypt:1  | Noticed a dread lich
 56478 | Crypt:1  | Noticed Pooter's ghost (adept MiBe)
 56478 | Crypt:1  | Noticed an ancient lich
 56478 | Crypt:1  | Noticed an ancient lich
 56499 | Crypt:1  | Killed an ancient lich
 56500 | Crypt:1  | Killed an ancient lich
 56501 | Crypt:1  | Killed a dread lich
 56512 | Crypt:1  | Killed Pooter's ghost
 56526 | Crypt:1  | Identified the +2 pair of boots of Bownopis {rPois rC+}
 56531 | Crypt:1  | Identified the ring "Nepenk" {Fire *Slow rElec rCorr Dex+4}
 57272 | Crypt:1  | Got the Secrets of the Catacomb
 57483 | Crypt:2  | Reached XP level 25. HP: 172/172 MP: 23/23
 57518 | Crypt:2  | Identified the +9 quarterstaff of the Delicate God {freeze,
                  | rPois Will- rCorr Str+5}
 57838 | Crypt:2  | Noticed a royal mummy
 57839 | Crypt:2  | Noticed a royal mummy
 57840 | Crypt:2  | Noticed Khufu
 57855 | Crypt:2  | Killed a royal mummy
 57879 | Crypt:2  | Killed a royal mummy
 57891 | Crypt:2  | Killed Khufu
 58555 | Crypt:3  | Entered Level 3 of the Crypt
 58843 | Crypt:3  | Found a staircase to the Tomb.
 59084 | Crypt:3  | Found a basalt altar of Yredelemnul.
 59254 | Crypt:3  | Got Zonguldrok's Thoughts on Bones
 59258 | Crypt:3  | Found an ancient bone altar of Kikubaaqudgha.
 59310 | Crypt:3  | Identified the ring "Oragomedyev" {Str+6 Slay+6}
 59312 | Crypt:3  | Identified the +0 leather armour of Mirth {rC+ Str+4
                  | Slay-4}
 59725 | Tomb:1   | Entered Level 1 of the Tomb of the Ancients
 60136 | Tomb:1   | Noticed a royal mummy
 60138 | Tomb:1   | Noticed a royal mummy
 60139 | Tomb:1   | Noticed a royal mummy
 60146 | Tomb:1   | Killed a royal mummy
 60151 | Tomb:1   | Killed a royal mummy
 60156 | Tomb:1   | Killed a royal mummy
 60170 | Tomb:1   | HP: 6/167 [mummy priest/divine providence (14)]
 60171 | Tomb:1   | Killed by a mummy priest's death curse (12 damage)
 60761 | Tomb:2   | Noticed a royal mummy
 60761 | Tomb:2   | Noticed a royal mummy
 60761 | Tomb:2   | Noticed a royal mummy
 60763 | Tomb:2   | Noticed a royal mummy
 60763 | Tomb:2   | Noticed a royal mummy
 60768 | Tomb:2   | Reached XP level 26. HP: 39/171 MP: 15/23
 60773 | Tomb:2   | Killed a royal mummy
 60775 | Tomb:2   | Killed a royal mummy
 60776 | Tomb:2   | Slain by a death scarab (17 damage)
                  | ... summoned by a royal mummy
 60784 | Tomb:2   | Killed a royal mummy
 60786 | Tomb:2   | Killed a royal mummy
 60786 | Tomb:2   | HP: 4/184 [something (11)]
 60787 | Tomb:2   | HP: 1/188 [emperor scorpion[a royal mummy] (4)]
 60788 | Tomb:2   | Killed by a mummy priest's death curse (12 damage)
 60791 | Tomb:2   | Killed a royal mummy
 61084 | Tomb:1   | Noticed a royal mummy
 61085 | Tomb:1   | Noticed a royal mummy
 61085 | Tomb:1   | Noticed a royal mummy
 61085 | Tomb:1   | Noticed a royal mummy
 61085 | Tomb:1   | Noticed a royal mummy
 61089 | Tomb:1   | Noticed a royal mummy
 61090 | Tomb:1   | Noticed a royal mummy
 61091 | Tomb:1   | Killed a royal mummy
 61093 | Tomb:1   | Killed a royal mummy
 61094 | Tomb:1   | Noticed a royal mummy
 61098 | Tomb:1   | HP: 7/191 [emperor scorpion[a royal mummy] (15)]
 61099 | Tomb:1   | Killed a royal mummy
 61099 | Tomb:1   | Killed by divine providence
                  | ... invoked by a royal mummy
                  | (13 damage)
 61103 | Tomb:1   | Killed a royal mummy
 61104 | Tomb:1   | Killed a royal mummy
 61105 | Tomb:1   | Killed a royal mummy
 61106 | Tomb:1   | Killed a royal mummy
 61108 | Tomb:1   | Killed a royal mummy
 61754 | Tomb:1   | Noticed a royal mummy
 61757 | Tomb:1   | Noticed a royal mummy
 61762 | Tomb:1   | Killed a royal mummy
 61765 | Tomb:1   | Noticed a royal mummy
 61786 | Tomb:1   | Noticed a royal mummy
 61786 | Tomb:1   | Noticed a royal mummy
 61788 | Tomb:1   | Killed a royal mummy
 61790 | Tomb:1   | Killed a royal mummy
 61805 | Tomb:1   | HP: 9/187 [emperor scorpion[a royal mummy] (1)]
 61811 | Tomb:1   | Killed by divine providence
                  | ... invoked by a royal mummy
                  | (14 damage)
 61833 | Tomb:1   | Killed a royal mummy
 61839 | Tomb:1   | Killed a royal mummy
 61852 | Tomb:1   | Noticed a royal mummy
 61853 | Tomb:1   | Noticed a royal mummy
 61866 | Tomb:1   | HP: 9/192 [royal mummy/divine providence (16)]
 61871 | Tomb:1   | Killed a royal mummy
 61871 | Tomb:1   | Killed by a royal mummy's death curse (21 damage)
 61880 | Tomb:1   | Killed a royal mummy
 62006 | Tomb:2   | Noticed Mennas
 62019 | Tomb:2   | Killed Mennas
 62355 | Tomb:3   | Entered Level 3 of the Tomb of the Ancients
 62368 | Tomb:3   | Noticed a royal mummy
 62378 | Tomb:3   | Killed by a guardian mummy's death curse (9 damage)
 62379 | Tomb:3   | Noticed a royal mummy
 62381 | Tomb:3   | Noticed a royal mummy
 62383 | Tomb:3   | Noticed a royal mummy
 62385 | Tomb:3   | Noticed a royal mummy
 62385 | Tomb:3   | Noticed a royal mummy
 62387 | Tomb:3   | HP: 4/192 [royal mummy/divine providence (13)]
 62387 | Tomb:3   | Mangled by a death scarab (13 damage)
 62388 | Tomb:3   | Noticed a royal mummy
 62391 | Tomb:3   | Reached skill level 27 in Fighting
 62393 | Tomb:3   | HP: 5/193 [royal mummy/divine providence (9)]
 62394 | Tomb:3   | Killed by divine providence
                  | ... invoked by a royal mummy
                  | (13 damage)
 62398 | Tomb:3   | Killed by divine providence
                  | ... invoked by a mummy priest
                  | (17 damage)
 62401 | Tomb:3   | Killed a royal mummy
 62402 | Tomb:3   | Reached XP level 27. HP: 40/192 MP: 14/23
 62403 | Tomb:3   | Noticed a royal mummy
 62405 | Tomb:3   | Killed by divine providence
                  | ... invoked by a royal mummy
                  | (12 damage)
 62406 | Tomb:3   | Killed a royal mummy
 62409 | Tomb:3   | Killed a royal mummy
 62409 | Tomb:3   | Killed a royal mummy
 62414 | Tomb:3   | HP: 7/195 [royal mummy/divine providence (11)]
 62414 | Tomb:3   | Killed by divine providence
                  | ... invoked by a royal mummy
                  | (12 damage)
 62423 | Tomb:3   | HP: 7/186 [death scarab[a royal mummy] (17)]
 62426 | Tomb:3   | Killed by divine providence
                  | ... invoked by a royal mummy
                  | (12 damage)
 62428 | Tomb:3   | Killed a royal mummy
 62432 | Tomb:3   | Killed a royal mummy
 62433 | Tomb:3   | Killed a royal mummy
 62443 | Tomb:3   | Killed a royal mummy
 62554 | Tomb:3   | Found the +8 demon trident "Rift" {distort, reach+}
 62584 | Tomb:3   | Identified the ring of Mashronk {rElec AC+4 Int+3}
 62611 | Tomb:3   | Identified the +6 broad axe "Tyuqiam" {protect, rC+ rN+++
                  | rCorr Str+2}
 62661 | Tomb:3   | Identified the +9 dagger of Moral Flaws {heavy, rF+ rN+
                  | Int+3}
 62665 | Tomb:3   | Identified the staff of death "Seutoj" {rN+ Will+++}
 62824 | Tomb:3   | Identified the staff of air "Hir Imm" {rElec rF- rCorr
                  | Str+3}
 62930 | Tomb:3   | Got a golden rune of Zot
 63658 | Depths:1 | Found a gateway to Hell.
 64558 | Depths:1 | Upgraded the game from 0.30-a0-1066-g63dfefce0d to
                  | 0.30-a0-1074-g5db6f66fbb
 65139 | Hell     | Entered the Vestibule of Hell
 65139 | Hell     | Noticed Geryon
 65172 | Hell     | Noticed Murray
 65176 | Hell     | Killed Geryon
 65206 | Hell     | Killed Murray
 65279 | Hell     | Found a gateway to the decaying netherworld of Tartarus.
 65466 | Hell     | Found a gateway to the freezing wastes of Cocytus.
 65602 | Hell     | Found a gateway to the ashen valley of Gehenna.
 65679 | Hell     | Found a gateway to the Iron City of Dis.
 66018 | Dis:1    | Entered Level 1 of the Iron City of Dis
 66018 | Dis:1    | You are sucked into a shaft and drop 1 floor!
 67385 | Dis:4    | Noticed an ancient lich
 67385 | Dis:4    | Noticed an ancient lich
 67386 | Dis:4    | Noticed a dread lich
 67386 | Dis:4    | Noticed an ancient lich
 67386 | Dis:4    | Noticed a dread lich
 67387 | Dis:4    | Noticed a dread lich
 67388 | Dis:4    | Noticed a dread lich
 67396 | Dis:4    | Killed a dread lich
 67397 | Dis:4    | Killed an ancient lich
 67403 | Dis:4    | Killed an ancient lich
 67404 | Dis:4    | Reached skill level 27 in Armour
 67404 | Dis:4    | Reached skill level 27 in Shields
 67411 | Dis:4    | Killed an ancient lich
 67412 | Dis:4    | Killed a dread lich
 67412 | Dis:4    | Killed a dread lich
 67843 | Dis:7    | Entered Level 7 of the Iron City of Dis
 68836 | Dis:7    | Noticed a juggernaut
 68836 | Dis:7    | Noticed Dispater
 68845 | Dis:7    | Killed a juggernaut
 68893 | Dis:7    | Killed Dispater
 69295 | Dis:7    | Got an iron rune of Zot
 69297 | Dis:7    | Got Zosa's Secrets of the Morgue
 69330 | Dis:7    | Got the Exposition on Fluctuating Force
 69674 | Hell     | Upgraded the game from 0.30-a0-1074-g5db6f66fbb to
                  | 0.30-a0-1094-g860fb061e7
 69675 | Coc:1    | Entered Level 1 of Cocytus
 70594 | Coc:3    | Paralysed by a wendigo for 1 turns
 70693 | Coc:3    | Paralysed by a wendigo for 1 turns
 70704 | Coc:3    | Paralysed by a wendigo for 1 turns
 70709 | Coc:3    | Paralysed by a wendigo for 1 turns
 70715 | Coc:3    | Demolished by a juggernaut simulacrum (46 damage)
 70720 | Coc:3    | Paralysed by a wendigo for 1 turns
 71056 | Coc:4    | Paralysed by a wendigo for 1 turns
 71630 | Coc:5    | Killed from afar by a hellion (30 damage)
                  | ... with damnation
 72257 | Coc:5    | Reached skill level 27 in Axes
 72378 | Coc:5    | Reached skill level 1 in Evocations
 72500 | Coc:6    | Paralysed by a wendigo for 1 turns
 72916 | Coc:7    | Entered Level 7 of Cocytus
 72921 | Coc:7    | Paralysed by a wendigo for 1 turns
 72941 | Coc:7    | Gained mutation: You do not regenerate when monsters are
                  | visible. [mutagenic glow]
 72946 | Coc:7    | Reached skill level 5 in Evocations
 72980 | Coc:7    | Gained mutation: You are vulnerable to cold. (rC-)
                  | [mutagenic glow]
 72989 | Coc:7    | Gained mutation: You are frail. (-10% HP) [mutagenic glow]
 73809 | Coc:7    | Paralysed by a wendigo for 1 turns
 73924 | Coc:7    | HP: 7/179 [shard shrike (46)]
 74366 | Coc:7    | Paralysed by a wendigo for 1 turns
 74482 | Coc:7    | Paralysed by a wendigo for 1 turns
 74486 | Coc:7    | Reached skill level 10 in Evocations
 74490 | Coc:7    | Slain by an Ice Fiend (60 damage)
 75018 | Coc:7    | Paralysed by a wendigo for 1 turns
 75079 | Coc:7    | Noticed Antaeus
 75089 | Coc:7    | Killed from afar by an Ice Fiend (102 damage)
                  | ... with a bolt of cold
 75095 | Coc:7    | Killed Antaeus
 75134 | Coc:7    | Found the +8 autumn katana {manifold assault}
 75270 | Coc:7    | Got an icy rune of Zot
 75289 | Coc:7    | Identified the ring of Cowardice {rF++ Will+ SInv}
 75296 | Coc:7    | Identified the +7 short sword "Tiorhiylyu" {venom, Fly}
 75301 | Coc:7    | Identified the +1 short sword of the Smoking Fox {heavy,
                  | Str+3}
 75741 | Coc:7    | Identified the +0 halberd of Nifioc {vamp, *Noise rN+ Str+8
                  | SInv}
 75915 | Tar:1    | Entered Level 1 of Tartarus
 80108 | Tar:3    | Lost mutation: Your mind is acute. (Int +4, Str/Dex -1)
                  | [potion of mutation]
 80108 | Tar:3    | Lost mutation: You are frail. (-10% HP) [potion of
                  | mutation]
 80108 | Tar:3    | Lost mutation: You are covered in fur. (AC +1) [potion of
                  | mutation]
 80108 | Tar:3    | Gained mutation: Your skin changes colour to match your
                  | surroundings (Stealth+). [potion of mutation]
 80108 | Tar:3    | Gained mutation: Your mind is acute. (Int +4, Str/Dex -1)
                  | [potion of mutation]
 80110 | Tar:3    | Lost mutation: You are vulnerable to heat. (rF-) [potion of
                  | mutation]
 80110 | Tar:3    | Lost mutation: You are vulnerable to cold. (rC-) [potion of
                  | mutation]
 80110 | Tar:3    | Lost mutation: Your mind is acute. (Int +4, Str/Dex -1)
                  | [potion of mutation]
 80110 | Tar:3    | Gained mutation: Your spells are a little harder to cast,
                  | but a little more powerful. [potion of mutation]
 80110 | Tar:3    | Gained mutation: You are partially covered in iridescent
                  | scales. (AC +2) [potion of mutation]
 80167 | Tar:4    | Reached skill level 15 in Evocations
 81460 | Tar:7    | Entered Level 7 of Tartarus
 81689 | Tar:7    | Identified the ring of Giaxur {rC+ rCorr}
 81707 | Tar:7    | Identified the +4 glaive "Death Rattle" {venom, Fly rC+
                  | SInv}
 81720 | Tar:7    | Identified the amulet "Duhacaps" {RegenMP Will+}
 81749 | Tar:7    | Identified the staff of poison "Xopi" {rPois rC+}
 81820 | Tar:7    | Noticed a dread lich
 81828 | Tar:7    | Noticed a dread lich
 81841 | Tar:7    | Killed a dread lich
 81843 | Tar:7    | Paralysed by something for 5 turns
 81843 | Tar:7    | Killed from afar by a hellion (30 damage)
                  | ... with damnation
                  | ... summoned by a dread lich
                  | ... while paralysed by a dread lich
 81853 | Tar:7    | Killed a dread lich
 81881 | Tar:7    | Noticed the Serpent of Hell
 81885 | Tar:7    | Noticed an ancient lich
 81892 | Tar:7    | Killed an ancient lich
 81899 | Tar:7    | Killed the Serpent of Hell
 81917 | Tar:7    | Noticed an ancient lich
 81926 | Tar:7    | Killed an ancient lich
 81987 | Tar:7    | Noticed Ereshkigal
 82013 | Tar:7    | Killed Ereshkigal
 82517 | Tar:7    | Got a bone rune of Zot
 83464 | Geh:1    | Entered Level 1 of Gehenna
 83645 | Geh:1    | Killed from afar by a fire giant (76 damage)
                  | ... with a fireball
 83775 | Geh:2    | Killed from afar by a hell hog (61 damage)
                  | ... with a fireball
 84057 | Geh:3    | Killed from afar by a fire giant (61 damage)
                  | ... with a fireball
 84655 | Geh:4    | Killed from afar by a Brimstone Fiend (41 damage)
                  | ... with damnation
 85391 | Geh:6    | Noticed an ancient lich
 85403 | Geh:6    | Killed an ancient lich
 85450 | Geh:7    | Entered Level 7 of Gehenna
 86035 | Geh:7    | Killed from afar by a hellephant (126 damage)
                  | ... with a blast of flame
 86079 | Geh:7    | Killed by an exploding creeping inferno (21 damage)
 87012 | Geh:7    | Found the +13 sceptre of Asmodeus
 87012 | Geh:7    | Noticed Asmodeus
 87030 | Geh:7    | Killed from afar by a balrug (46 damage)
                  | ... with a fireball
                  | ... summoned by Asmodeus
 87042 | Geh:7    | Killed Asmodeus
 87105 | Geh:7    | Reached skill level 1 in Maces & Flails
 87210 | Geh:7    | Got an obsidian rune of Zot
 87221 | Geh:7    | Got Zagobyist's Lost Spellbook of Solomon
 87223 | Geh:7    | Identified the ring of Devotion {Fly rCorr MP+9 Str-5
                  | Stlth+}
 87818 | Geh:7    | Reached skill level 5 in Maces & Flails
 89207 | Depths:2 | Noticed Aizul
 89216 | Depths:2 | Killed Aizul
 89303 | Depths:2 | Reached skill level 10 in Maces & Flails
 89305 | Depths:2 | Noticed a juggernaut
 89312 | Depths:2 | Killed a juggernaut
 89380 | Depths:2 | Killed from afar by a fire dragon (88 damage)
                  | ... with a blast of flame
 89449 | Depths:2 | Paralysed by a floating eye for 3 turns
 89522 | Depths:2 | Noticed a juggernaut
 89528 | Depths:2 | Annihilated by a deep troll shaman simulacrum (49 damage)
                  | ... animated by a necromancer
 89535 | Depths:2 | Killed a juggernaut
 89949 | Depths:2 | Found a one-way gate leading to the halls of Pandemonium.
 90496 | Depths:3 | Found a runed translucent door.
 90498 | Depths:3 | Found a runed translucent door.
 90506 | Depths:3 | Noticed a juggernaut
 90513 | Depths:3 | Killed a juggernaut
 90533 | Depths:3 | Got the Omnibus of Amassed Vapour
 90536 | Depths:3 | Identified the ring "Hovvejue" {Str+6 Int+7}
 90545 | Depths:3 | Identified the +4 chain mail "Cemegac" {MP+9 Dex+3}
 90552 | Depths:3 | Got the Omnibus of Weird Cadavers
 90553 | Depths:3 | Identified the +9 short sword of Tiankem {freeze, rPois}
 91118 | Depths:3 | Reached skill level 15 in Maces & Flails
 91269 | Depths:3 | Found Kanwi's Book Emporium.
 91273 | Depths:3 | Found Toxtoyd's Jewellery Boutique.
 91274 | Depths:3 | Found Kazunkiw's Book Emporium.
 91282 | Depths:3 | Bought a +4 ring of slaying for 1014 gold pieces
 91509 | Depths:4 | Entered Level 4 of the Depths
 91539 | Depths:4 | Found an ornate altar of the Wu Jian Council.
 91556 | Depths:4 | Noticed Xtahua
 91560 | Depths:4 | Killed Xtahua
 91826 | Depths:4 | Found a one-way gateway to a ziggurat.
 92365 | Depths:4 | Found a gate to the Realm of Zot.
 92755 | Depths:4 | Found Nitrioki's Book Boutique.
 92913 | Pan      | Entered Pandemonium
 93445 | Pan      | Noticed Ceetrois the pandemonium lord
 93454 | Pan      | Killed Ceetrois the pandemonium lord
 93454 | Pan      | HP: 5/199 [hellion/damnation (31)]
 93582 | Pan      | Mangled by an apocalypse crab (18 damage)
                  | ... summoned by a demonspawn corrupter
 95171 | Pan      | Killed themself with a badly aimed damnation (115 damage)
 95325 | Pan      | Entered the realm of Lom Lobon.
 98490 | Pan      | Noticed Lom Lobon
 98491 | Abyss:3  | Cast into level 3 of the Abyss (a wizard)
 98532 | Abyss:3  | Gained mutation: Your body sometimes deteriorates upon
                  | taking damage. [a neqoxec]
 98565 | Abyss:3  | Gained mutation: You are frail. (-10% HP) [a neqoxec]
 98600 | Abyss:3  | Paralysed by you for 5 turns
 98606 | Abyss:3  | Lost mutation: Your spells are a little harder to cast, but
                  | a little more powerful. [potion of mutation]
 98606 | Abyss:3  | Lost mutation: You do not regenerate when monsters are
                  | visible. [potion of mutation]
 98606 | Abyss:3  | Lost mutation: Your skin changes colour to match your
                  | surroundings (Stealth+). [potion of mutation]
 98606 | Abyss:3  | Gained mutation: Your spells are a little harder to cast,
                  | but a little more powerful. [potion of mutation]
 98606 | Abyss:3  | Gained mutation: You are agile. (Dex +4, Str/Int -1)
                  | [potion of mutation]
 98607 | Abyss:3  | Lost mutation: You are agile. (Dex +4, Str/Int -1) [potion
                  | of mutation]
 98607 | Abyss:3  | Lost mutation: Your body sometimes deteriorates upon taking
                  | damage. [potion of mutation]
 98607 | Abyss:3  | Lost mutation: You are frail. (-10% HP) [potion of
                  | mutation]
 98710 | Abyss:3  | Killed from afar by a balrug (60 damage)
                  | ... with a bolt of fire
 98723 | Abyss:3  | Gained mutation: You are clumsy. (Dex -2) [a neqoxec]
 98791 | Pan      | Escaped the Abyss
 98792 | Pan      | HP: 4/179 [Lom Lobon/vortex (7)]
 98793 | Pan      | Killed from afar by Lom Lobon (15 damage)
                  | ... with a vortex
 98835 | Pan      | Killed Lom Lobon
 99058 | Pan      | Got a magical rune of Zot
106727 | Pan      | HP: 4/199 [sun demon (14)]
106727 | Pan      | Demolished by a sun demon (18 damage)
107816 | Pan      | Killed from afar by a hellion (32 damage)
                  | ... with damnation
108548 | Pan      | Killed from afar by a Hell Sentinel (36 damage)
                  | ... with damnation
109583 | Pan      | Slain by a demonic crawler (7 damage)
110528 | Pan      | Noticed Tiwkal the pandemonium lord
110531 | Pan      | Killed Tiwkal the pandemonium lord
110668 | Pan      | Killed by divine providence
                  | ... invoked by a smoke demon
                  | (10 damage)
111539 | Pan      | HP: 9/199 [smoke demon/divine providence (7)]
111544 | Pan      | HP: 9/199 [??? (1)]
111545 | Pan      | Killed by divine providence
                  | ... invoked by a smoke demon
                  | (16 damage)
111576 | Pan      | Got a demonic rune of Zot
111621 | Pan      | Identified the +8 falchion of Aqink {venom, *Corrode rN+++
                  | Str-3 Int+3}
111906 | Pan      | Killed from afar by a Hell Sentinel (17 damage)
                  | ... with damnation
112230 | Pan      | Killed from afar by a Hell Sentinel (44 damage)
                  | ... with damnation
114279 | Pan      | Gained mutation: You expend magic power (3 MP) to
                  | strengthen your wands. [a neqoxec]
114946 | Pan      | Noticed Hiwos the pandemonium lord
114962 | Pan      | Killed Hiwos the pandemonium lord
115131 | Pan      | Identified the staff of conjuration "Zeheon" {rElec SInv}
115133 | Pan      | Entered the realm of Mnoleg.
115138 | Pan      | Gained mutation: You are frail. (-10% HP) [a cacodemon]
115145 | Pan      | Gained mutation: You are dopey. (Int -2) [a cacodemon]
115167 | Pan      | Gained mutation: You have hidden genetic defects. [a
                  | neqoxec]
115192 | Pan      | Gained mutation: Your natural rate of healing is unusually
                  | fast. [a neqoxec]
115197 | Pan      | Gained mutation: Your body sometimes deteriorates upon
                  | taking damage. [a neqoxec]
115958 | Pan      | Noticed Mnoleg
115974 | Pan      | Reached skill level 27 in Evocations
115988 | Pan      | Slain by Mnoleg (17 damage)
116000 | Pan      | Paralysed by a floating eye for 2 turns
116009 | Pan      | Paralysed by a floating eye for 3 turns
116016 | Pan      | HP: 7/176 [tentacled monstrosity[Mnoleg] (9)]
116017 | Pan      | Mangled by Mnoleg (21 damage)
116021 | Pan      | Paralysed by a floating eye for 2 turns
116025 | Pan      | Killed Mnoleg
116262 | Pan      | Lost mutation: You have hidden genetic defects. [a
                  | cacodemon]
116627 | Pan      | Got a glowing rune of Zot
116908 | Pan      | Got the Compendium of the Gathered Hornet
116923 | Pan      | Entered the realm of Cerebov.
116980 | Pan      | Found an exit through the horrors of the Abyss.
117226 | Pan      | Identified the +2 morningstar of Crusades {drain, *Slow
                  | rN+++ Int+2 Dex+3}
117369 | Pan      | Found the +6 sword of Cerebov {flame}
117369 | Pan      | Noticed Cerebov
117380 | Pan      | Demolished by Cerebov
                  | ... wielding the +6 sword of Cerebov {flame}
                  | (38 damage)
117390 | Pan      | Killed Cerebov
117552 | Pan      | Identified the +11 arbalest "Giantslayer" {flame, *Corrode
                  | rElec MP+9 Str+2 Int+7}
117556 | Pan      | Got the Annotations on Orientation
117716 | Pan      | Identified the +2 battleaxe of Pain and Death {freeze,
                  | Dex+2}
117781 | Pan      | Identified the staff of death "Netoenwomo" {rC+ rN+ rCorr
                  | Dex+2}
117806 | Pan      | Identified the +4 robe of Proximity {Str-5 Dex+8}
117857 | Pan      | Got a fiery rune of Zot
118075 | Pan      | HP: 2/179 [balrug/fireball (28)]
118075 | Pan      | Killed by divine providence
                  | ... invoked by a balrug
                  | (10 damage)
118592 | Pan      | Identified the +1 robe of Protective Custody {rF+}
118934 | Pan      | Entered the realm of Gloorx Vloq.
119202 | Pan      | Noticed Gloorx Vloq
119219 | Pan      | Killed Gloorx Vloq
120571 | Pan      | Found an exit through the horrors of the Abyss.
120951 | Pan      | Got a dark rune of Zot
121050 | Pan      | Took an exit into the Abyss.
121050 | Abyss:3  | Escaped into the Abyss
121097 | Abyss:3  | Lost mutation: You expend magic power (3 MP) to strengthen
                  | your wands. [potion of mutation]
121097 | Abyss:3  | Lost mutation: You are frail. (-10% HP) [potion of
                  | mutation]
121097 | Abyss:3  | Lost mutation: Your spells are a little harder to cast, but
                  | a little more powerful. [potion of mutation]
121097 | Abyss:3  | Gained mutation: Your flesh is cold resistant. (rC+)
                  | [potion of mutation]
121098 | Abyss:3  | Lost mutation: You are clumsy. (Dex -2) [potion of
                  | mutation]
121098 | Abyss:3  | Lost mutation: Your flesh is cold resistant. (rC+) [potion
                  | of mutation]
121098 | Abyss:3  | Lost mutation: You are partially covered in iridescent
                  | scales. (AC +2) [potion of mutation]
121098 | Abyss:3  | Gained mutation: You are frail. (-10% HP) [potion of
                  | mutation]
121098 | Abyss:3  | Gained mutation: You have supernaturally acute eyesight.
                  | (SInv) [potion of mutation]
121099 | Abyss:3  | Lost mutation: Your natural rate of healing is unusually
                  | fast. [potion of mutation]
121099 | Abyss:3  | Lost mutation: You are dopey. (Int -2) [potion of mutation]
121099 | Abyss:3  | Gained mutation: You have hidden genetic defects. [potion
                  | of mutation]
121099 | Abyss:3  | Gained mutation: Your spells are a little harder to cast,
                  | but a little more powerful. [potion of mutation]
121100 | Abyss:3  | Lost mutation: Your body sometimes deteriorates upon taking
                  | damage. [potion of mutation]
121100 | Abyss:3  | Lost mutation: You have hidden genetic defects. [potion of
                  | mutation]
121100 | Abyss:3  | Gained mutation: Armour fits poorly on your strangely
                  | shaped body. [potion of mutation]
121399 | Abyss:3  | Gained mutation: Your magical capacity is low. (-10% MP) [a
                  | neqoxec]
121401 | Abyss:3  | Gained mutation: You sometimes lose your temper in combat.
                  | [a neqoxec]
121407 | Abyss:3  | Gained mutation: Your body sometimes deteriorates upon
                  | taking damage. [a neqoxec]
121618 | Abyss:4  | Found a corrupted altar of Lugonu.
121632 | Abyss:4  | Found a corrupted altar of Lugonu.
121649 | Abyss:4  | Found a corrupted altar of Lugonu.
121649 | Abyss:4  | Found a corrupted altar of Lugonu.
121746 | Abyss:4  | Noticed an ancient lich
121751 | Abyss:4  | Killed an ancient lich
121909 | Abyss:4  | Found a corrupted altar of Lugonu.
121933 | Abyss:4  | Found a corrupted altar of Lugonu.
122011 | Abyss:4  | Reached skill level 27 in Maces & Flails
122074 | Abyss:5  | Reached skill level 1 in Stealth
122139 | Abyss:5  | Found a corrupted altar of Lugonu.
122192 | Abyss:5  | Reached skill level 5 in Stealth
122258 | Abyss:5  | Found a corrupted altar of Lugonu.
122263 | Abyss:5  | Killed from afar by a hellephant (84 damage)
                  | ... with a blast of flame
122324 | Abyss:5  | Gained mutation: You have hidden genetic defects. [a
                  | neqoxec]
122356 | Abyss:5  | Killed from afar by a hellephant (108 damage)
                  | ... with a blast of flame
122374 | Abyss:5  | Reached skill level 10 in Stealth
122436 | Abyss:5  | Paralysed by accursed screaming for 2 turns
122443 | Abyss:5  | Paralysed by accursed screaming for 2 turns
122450 | Abyss:5  | Paralysed by accursed screaming for 2 turns
122452 | Abyss:5  | Killed from afar by a starcursed mass (16 damage)
                  | ... with an accursed screaming
122456 | Abyss:5  | Paralysed by accursed screaming for 2 turns
122478 | Abyss:5  | Found a corrupted altar of Lugonu.
122501 | Abyss:5  | Got an abyssal rune of Zot
122596 | Abyss:5  | Gained mutation: You are weak. (Str -2) [a neqoxec]
122601 | Abyss:5  | Found a corrupted altar of Lugonu.
122605 | Abyss:5  | Lost mutation: Your spells are a little harder to cast, but
                  | a little more powerful. [hidden defects]
122613 | Abyss:5  | HP: 4/179 [wretched star/lance of force (15)]
122622 | Abyss:5  | HP: 3/179 [worldbinder (5)]
122622 | Abyss:5  | Slain by a black mamba (6 damage)
                  | ... summoned by a worldbinder
122671 | Depths:2 | Escaped the Abyss
123115 | Depths:2 | Lost mutation: You are frail. (-10% HP) [potion of
                  | mutation]
123115 | Depths:2 | Lost mutation: You have hidden genetic defects. [potion of
                  | mutation]
123115 | Depths:2 | Lost mutation: You are very weak. (Str -4) [potion of
                  | mutation]
123115 | Depths:2 | Gained mutation: You have hidden genetic potential. [potion
                  | of mutation]
123115 | Depths:2 | Gained mutation: You are agile. (Dex +4, Str/Int -1)
                  | [potion of mutation]
123265 | Zot:1    | Entered Level 1 of the Realm of Zot
123325 | Zot:1    | Reached skill level 15 in Stealth
123328 | Zot:1    | HP: 3/199 [red draconian/searing blast (34)]
123329 | Zot:1    | Engulfed by a red draconian's flame (10 damage)
123366 | Zot:1    | Lost mutation: You have hidden genetic potential. [potion
                  | of mutation]
123366 | Zot:1    | Lost mutation: You have supernaturally acute eyesight.
                  | (SInv) [potion of mutation]
123366 | Zot:1    | Gained mutation: You are robust. (+10% HP) [potion of
                  | mutation]
123366 | Zot:1    | Gained mutation: You have hidden genetic potential. [potion
                  | of mutation]
123366 | Zot:1    | Gained mutation: You have a beak for a mouth. [potion of
                  | mutation]
123367 | Zot:1    | Lost mutation: Your magical capacity is low. (-10% MP)
                  | [potion of mutation]
123367 | Zot:1    | Lost mutation: Armour fits poorly on your strangely shaped
                  | body. [potion of mutation]
123367 | Zot:1    | Lost mutation: You are agile. (Dex +4, Str/Int -1) [potion
                  | of mutation]
123367 | Zot:1    | Gained mutation: Potions are less effective at restoring
                  | your health. [potion of mutation]
123367 | Zot:1    | Gained mutation: You have large cloven feet. [potion of
                  | mutation]
123368 | Zot:1    | Lost mutation: You are robust. (+10% HP) [potion of
                  | mutation]
123368 | Zot:1    | Lost mutation: You have large cloven feet. [potion of
                  | mutation]
123368 | Zot:1    | Lost mutation: Potions are less effective at restoring your
                  | health. [potion of mutation]
123368 | Zot:1    | Gained mutation: Your spells are a little harder to cast,
                  | but a little more powerful. [potion of mutation]
123369 | Zot:1    | Lost mutation: You have a beak for a mouth. [potion of
                  | mutation]
123369 | Zot:1    | Lost mutation: Your spells are a little harder to cast, but
                  | a little more powerful. [potion of mutation]
123369 | Zot:1    | Lost mutation: You sometimes lose your temper in combat.
                  | [potion of mutation]
123369 | Zot:1    | Gained mutation: Your natural rate of healing is unusually
                  | fast. [potion of mutation]
123370 | Zot:1    | Lost mutation: Your natural rate of healing is unusually
                  | fast. [potion of mutation]
123370 | Zot:1    | Lost mutation: Your body sometimes deteriorates upon taking
                  | damage. [potion of mutation]
123370 | Zot:1    | Lost mutation: You have hidden genetic potential. [potion
                  | of mutation]
123370 | Zot:1    | Gained mutation: Your magical capacity is low. (-10% MP)
                  | [potion of mutation]
123370 | Zot:1    | Gained mutation: Your movements are slightly less
                  | encumbered by armour. (ER -2) [potion of mutation]
123370 | Zot:1    | Gained mutation: Your mind is acute. (Int +4, Str/Dex -1)
                  | [potion of mutation]
123506 | Zot:1    | Upgraded the game from 0.30-a0-1094-g860fb061e7 to
                  | 0.30-a0-1103-g25895a7845
124910 | Zot:1    | Noticed an orb of fire
124921 | Zot:1    | HP: 2/199 [orb of fire/fireball (70)]
124922 | Zot:1    | Gained mutation: Armour fits poorly on your strangely
                  | shaped body. [an orb of fire]
124923 | Zot:1    | Killed an orb of fire
124923 | Zot:1    | Slain by a green draconian
                  | ... wielding a +0 halberd
                  | (7 damage)
125350 | Zot:2    | HP: 8/199 [fire giant/+3 great sword of flaming (3)]
125352 | Zot:2    | Killed from afar by a purple draconian (39 damage)
                  | ... with a bolt of dispelling energy
                  | ... led by a purple draconian shifter
125493 | Zot:2    | HP: 6/195 [shadow dragon/bolt of negative energy (10)]
125622 | Zot:2    | HP: 5/199 [moth of wrath (7)]
125843 | Zot:2    | Noticed an ancient lich
125846 | Zot:2    | Killed an ancient lich
125894 | Zot:2    | HP: 4/199 [black draconian/bolt of lightning[a red
                  | draconian scorcher] (7)]
125894 | Zot:2    | Killed from afar by a black draconian (9 damage)
                  | ... with a bolt of lightning
                  | ... led by a red draconian scorcher
126535 | Zot:2    | Acquired the +20 crystal plate armour of Midwinter {Rampage
                  | rF++ Str-2 SInv}
126548 | Zot:2    | Lost mutation: Your movements are slightly less encumbered
                  | by armour. (ER -2) [potion of mutation]
126548 | Zot:2    | Lost mutation: Your mind is acute. (Int +4, Str/Dex -1)
                  | [potion of mutation]
126548 | Zot:2    | Gained mutation: Your magical capacity is very low. (-20%
                  | MP) [potion of mutation]
126548 | Zot:2    | Lost mutation: Armour fits poorly on your strangely shaped
                  | body. [potion of mutation]
126548 | Zot:2    | Gained mutation: You are weak. (Str -2) [potion of
                  | mutation]
126549 | Zot:2    | Lost mutation: You are weak. (Str -2) [potion of mutation]
126549 | Zot:2    | Lost mutation: Your magical capacity is very low. (-20% MP)
                  | [potion of mutation]
126549 | Zot:2    | Gained mutation: You sometimes lose your temper in combat.
                  | [potion of mutation]
126549 | Zot:2    | Gained mutation: You are vulnerable to heat. (rF-) [potion
                  | of mutation]
126549 | Zot:2    | Gained mutation: You have large cloven feet. [potion of
                  | mutation]
126973 | Orc:2    | Bought a +4 ring of protection for 648 gold pieces
129487 | Zot:3    | Found the +4 dragonskin cloak
129487 | Zot:3    | Noticed Tiamat
129505 | Zot:3    | Killed Tiamat
129750 | Zot:3    | Upgraded the game from 0.30-a0-1103-g25895a7845 to
                  | 0.30-a0-1116-gebefce21f7
132149 | Zot:4    | Identified the ring of Zaomoi Qeuwn {rElec MP+9 Int-2 SInv}
132181 | Zot:4    | HP: 4/199 [yellow draconian/+0 trident[a white draconian
                  | stormcaller] (15)]
132182 | Zot:4    | Splashed by a yellow draconian's acid (7 damage)
                  | ... led by a white draconian stormcaller
132431 | Zot:4    | Identified the +2 pair of boots "Zuek" {rN+ Dex+4}
133040 | Zot:4    | HP: 4/199 [yellow draconian stormcaller/glob of acid (21)]
133045 | Zot:4    | HP: 4/199 [yellow draconian shifter/glob of acid (2)]
133188 | Zot:4    | HP: 4/298 [acid (11)]
133190 | Zot:4    | Splashed by an acid blob's acid (2 damage)
134103 | Zot:5    | Entered Level 5 of the Realm of Zot
134460 | Zot:5    | Noticed a dread lich
134460 | Zot:5    | Noticed a dread lich
134462 | Zot:5    | Noticed an orb of fire
134464 | Zot:5    | Noticed an orb of fire
134466 | Zot:5    | Noticed an orb of fire
134466 | Zot:5    | Noticed an orb of fire
134472 | Zot:5    | Gained mutation: You are frail. (-10% HP) [an orb of fire]
134473 | Zot:5    | Noticed an orb of fire
134474 | Zot:5    | Noticed a dread lich
134478 | Zot:5    | Noticed an orb of fire
134484 | Zot:5    | Noticed a dread lich
134487 | Zot:5    | Killed an orb of fire
134492 | Zot:5    | Killed an orb of fire
134501 | Zot:5    | Killed a dread lich
134502 | Zot:5    | Gained mutation: Your body sometimes deteriorates upon
                  | taking damage. [mutagenic glow]
134504 | Zot:5    | Paralysed by a dread lich for 3 turns
134507 | Zot:5    | Killed a dread lich
134513 | Zot:5    | Gained mutation: You are weak. (Str -2) [an orb of fire]
134513 | Zot:5    | Paralysed by a dread lich for 4 turns
134519 | Zot:5    | Killed a dread lich
134522 | Zot:5    | Lost mutation: You have large cloven feet. [mutagenic glow]
134522 | Zot:5    | Gained mutation: You have sharp toenails. [mutagenic glow]
134523 | Zot:5    | Killed an orb of fire
134526 | Zot:5    | Paralysed by a dread lich for 2 turns
134536 | Zot:5    | Lost mutation: You are vulnerable to heat. (rF-) [mutagenic
                  | glow]
134540 | Zot:5    | Paralysed by a dread lich for 5 turns
134549 | Zot:5    | Killed from afar by a black draconian knight (43 damage)
                  | ... with a bolt of cold
                  | ... led by a purple draconian shifter
134555 | Zot:5    | Killed a dread lich
134637 | Zot:5    | Reached skill level 27 in Stealth
134750 | Zot:5    | Reached skill level 1 in Invocations
134863 | Zot:5    | Gained mutation: You are occasionally teleported next to
                  | monsters. [an orb of fire]
134864 | Zot:5    | Killed an orb of fire
135221 | Zot:5    | Gained mutation: You are very weak. (Str -4) [an orb of
                  | fire]
135223 | Zot:5    | Gained mutation: You are clumsy. (Dex -2) [an orb of fire]
135223 | Zot:5    | Gained mutation: You have an uncontrollable temper. [an orb
                  | of fire]
135224 | Zot:5    | Killed an orb of fire
135225 | Zot:5    | Reached skill level 5 in Invocations
135442 | Zot:5    | Mangled by an Orb Guardian (18 damage)
135458 | Zot:5    | Gained mutation: You are very frail. (-20% HP) [an orb of
                  | fire]
135459 | Zot:5    | Killed an orb of fire
137027 | Zig:1    | Entered Level 1 of a ziggurat
137036 | Zig:2    | Entered Level 2 of a ziggurat
137043 | Zig:2    | Reached skill level 10 in Invocations
137354 | Zig:2    | Identified the ring "Vulisy" {rF+++ Int+6}
137357 | Zig:3    | Entered Level 3 of a ziggurat
137386 | Zig:3    | Identified the +9 short sword of Maoq {flame, Str+2}
137391 | Zig:4    | Entered Level 4 of a ziggurat
137585 | Zig:5    | Entered Level 5 of a ziggurat
137682 | Zig:6    | Entered Level 6 of a ziggurat
137899 | Zig:6    | Identified the ring "Gemoirr" {Ice Will+ Int+6 Dex+3}
137902 | Zig:6    | Identified the staff of cold "Bamius" {Fly rC+ rCorr Int-4
                  | Stlth+}
137907 | Zig:7    | Entered Level 7 of a ziggurat
138239 | Zig:8    | Entered Level 8 of a ziggurat
138447 | Zig:9    | Entered Level 9 of a ziggurat
138452 | Zig:9    | Noticed Ytzuiwateo the pandemonium lord
138462 | Zig:9    | Killed Ytzuiwateo the pandemonium lord
138529 | Zig:9    | Identified the staff of fire "Ywkinn" {Drain Fly rF+ rCorr
                  | Int+3}
138581 | Zig:10   | Entered Level 10 of a ziggurat
138999 | Zig:10   | Identified the staff of fire "Keluomov" {rF+ Int+4}
139031 | Zig:11   | Entered Level 11 of a ziggurat
139047 | Zig:11   | Found the +10 tower shield of Ignorance {rN+ Int-4}
139559 | Zig:12   | Entered Level 12 of a ziggurat
139577 | Zig:12   | Reached skill level 15 in Invocations
139580 | Zig:12   | Found the +8 Wrath of Trog {antimagic, *Rage Rampage}
139619 | Zig:12   | Identified the staff of air "Libytzee" {rElec rPois}
139626 | Zig:12   | Identified the +0 trident "Kuustrea" {venom, rN++}
139633 | Zig:12   | Lost mutation: You are very weak. (Str -4) [potion of
                  | mutation]
139633 | Zig:12   | Lost mutation: Your body sometimes deteriorates upon taking
                  | damage. [potion of mutation]
139633 | Zig:12   | Lost mutation: You are very frail. (-20% HP) [potion of
                  | mutation]
139633 | Zig:12   | Lost mutation: Your magical capacity is low. (-10% MP)
                  | [potion of mutation]
139633 | Zig:12   | Lost mutation: You have sharp toenails. [potion of
                  | mutation]
139633 | Zig:12   | Gained mutation: Your mind is acute. (Int +4, Str/Dex -1)
                  | [potion of mutation]
139638 | Zig:12   | Acquired a manual of Polearms
139642 | Zig:12   | Identified the +3 ring mail "Lila" {Drain rN+ Int+5}
139648 | Zig:13   | Entered Level 13 of a ziggurat
139661 | Zig:13   | Found the +15 Maxwell's patent armour {-Cast -Tele rElec
                  | Will+ rCorr}
139662 | Zig:13   | Found the amulet of the Four Winds {rN+ Will+++ Clar}
139713 | Zig:13   | Lost mutation: You are frail. (-10% HP) [potion of
                  | mutation]
139713 | Zig:13   | Lost mutation: You are weak. (Str -2) [potion of mutation]
139713 | Zig:13   | Lost mutation: You have an uncontrollable temper. [potion
                  | of mutation]
139713 | Zig:13   | Gained mutation: You have sharp toenails. [potion of
                  | mutation]
139713 | Zig:13   | Gained mutation: You are strong-willed. (Will+) [potion of
                  | mutation]
139754 | Zig:13   | Lost mutation: You are strong-willed. (Will+) [potion of
                  | mutation]
139754 | Zig:13   | Lost mutation: You are clumsy. (Dex -2) [potion of
                  | mutation]
139754 | Zig:13   | Lost mutation: Your mind is acute. (Int +4, Str/Dex -1)
                  | [potion of mutation]
139796 | Zig:13   | Identified the +2 war axe "Vyorph" {venom, rElec}
139816 | Zig:14   | Entered Level 14 of a ziggurat
140125 | Zig:14   | Identified the +6 scale mail "Qesail" {Str+4}
140172 | Zig:15   | Entered Level 15 of a ziggurat
140181 | Zig:15   | Noticed a dread lich
140190 | Zig:15   | Killed a dread lich
140381 | Zig:15   | Identified the amulet of Suopeuv {Reflect Will+ SH+5}
140498 | Zig:15   | Identified the +0 pair of gloves of Housy {Regen+ Int-3
                  | Dex+6 SInv}
140523 | Zig:16   | Entered Level 16 of a ziggurat
140537 | Zig:16   | Noticed Paux Xetuir the pandemonium lord
140565 | Zig:16   | Killed Paux Xetuir the pandemonium lord
140572 | Zig:16   | Found the +8 whip "Snakebite" {venom, curare, rPois}
140582 | Zig:16   | Killed from afar by an Ice Fiend (54 damage)
                  | ... with a bolt of cold
                  | ... summoned by a shadow demon
140604 | Zig:16   | Slain by a reaper
                  | ... wielding a +1 heavy scythe
                  | (31 damage)
140620 | Zig:16   | Paralysed by accursed screaming for 1 turns
140621 | Zig:16   | HP: 1/199 [deep elf sorcerer/bolt of acid[a demonspawn
                  | corrupter] (14)]
140624 | Zig:16   | Mangled by a deep elf blademaster
                  | ... wielding a +0 quick blade
                  | ... summoned by a demonspawn corrupter
                  | (10 damage)
141098 | Zig:16   | Identified the staff of conjuration "Qetow" {Will+}
141116 | Zig:17   | Entered Level 17 of a ziggurat
141196 | Zig:17   | Identified the ring "Quchucua" {+Blink Will+ AC+4 Stlth+}
141202 | Zig:18   | Entered Level 18 of a ziggurat
141241 | Zig:18   | Noticed a dread lich
141243 | Zig:18   | Noticed a dread lich
141269 | Zig:18   | Gained mutation: You occasionally shout uncontrollably at
                  | your foes. [a shining eye]
141271 | Zig:18   | Gained mutation: You are frail. (-10% HP) [a shining eye]
141276 | Zig:18   | Gained mutation: You are often teleported next to monsters.
                  | [a shining eye]
141460 | Zig:18   | Identified the +7 quarterstaff "Hafy" {venom, rN+++ Str-4
                  | Dex+3 Stlth+}
141465 | Zig:18   | Lost mutation: You sometimes lose your temper in combat.
                  | [potion of mutation]
141465 | Zig:18   | Lost mutation: You are frail. (-10% HP) [potion of
                  | mutation]
141465 | Zig:18   | Gained mutation: You are dopey. (Int -2) [potion of
                  | mutation]
141465 | Zig:18   | Gained mutation: You are partially covered in iridescent
                  | scales. (AC +2) [potion of mutation]
141465 | Zig:18   | Gained mutation: You have a pair of small horns on your
                  | head. [potion of mutation]
141466 | Zig:18   | Lost mutation: You occasionally shout uncontrollably at
                  | your foes. [potion of mutation]
141466 | Zig:18   | Lost mutation: You are often teleported next to monsters.
                  | [potion of mutation]
141466 | Zig:18   | Gained mutation: You are vulnerable to heat. (rF-) [potion
                  | of mutation]
141466 | Zig:18   | Gained mutation: You expend magic power (3 MP) to
                  | strengthen your wands. [potion of mutation]
141466 | Zig:18   | Gained mutation: You have sharp fingernails. [potion of
                  | mutation]
141486 | Zig:18   | Identified the staff of air "Ishij" {rElec Str+5}
141490 | Zig:19   | Entered Level 19 of a ziggurat
141943 | Zig:19   | Found the +12 pair of quick blades "Gyre" and "Gimble"
                  | {protect}
142017 | Zig:20   | Entered Level 20 of a ziggurat
142040 | Zig:20   | Killed from afar by a balrug (51 damage)
                  | ... with a bolt of fire
142051 | Zig:20   | Mangled by a balrug
                  | ... wielding a +2 demon whip of draining
                  | (31 damage)
142061 | Zig:20   | Slain by a balrug
                  | ... wielding a +2 demon whip of draining
                  | (24 damage)
142070 | Zig:20   | Found the +3 warlock's mirror {omnireflect}
142073 | Zig:20   | Found the +2 shield of Resistance {rF++ rC++ Will++}
142078 | Zig:20   | HP: 5/199 [burnt (6)]
142370 | Zig:20   | Identified the +7 chain mail of the Moon {Fly rF+ Str+3}
142373 | Zig:20   | Identified the staff of death "Yfihoegi" {rElec rF++ rN+
                  | Stlth+}
142375 | Zig:21   | Entered Level 21 of a ziggurat
142389 | Zig:21   | Noticed Kosozapp the pandemonium lord
142390 | Zig:21   | Noticed Teargh the pandemonium lord
142390 | Zig:21   | Noticed Paikh the pandemonium lord
142390 | Zig:21   | Noticed Ykiynn Huxu the pandemonium lord
142391 | Zig:21   | Noticed Rackezio the pandemonium lord
142391 | Zig:21   | Noticed Suyrhirgh the pandemonium lord
142391 | Zig:21   | Noticed Jappuitry the pandemonium lord
142392 | Zig:21   | Noticed Tiemniso the pandemonium lord
142393 | Zig:21   | Noticed Fomuel the pandemonium lord
142394 | Zig:21   | Noticed Usat Rukofi the pandemonium lord
142396 | Zig:21   | Noticed Kentug the pandemonium lord
142397 | Zig:21   | Killed Teargh the pandemonium lord
142401 | Zig:21   | Noticed Konatz the pandemonium lord
142402 | Zig:21   | Killed Rackezio the pandemonium lord
142408 | Zig:21   | Noticed Qiopnan the pandemonium lord
142408 | Zig:21   | Killed Paikh the pandemonium lord
142414 | Zig:21   | Killed Ykiynn Huxu the pandemonium lord
142417 | Zig:21   | Killed Kosozapp the pandemonium lord
142422 | Zig:21   | Killed Usat Rukofi the pandemonium lord
142424 | Zig:21   | Killed Jappuitry the pandemonium lord
142426 | Zig:21   | Killed Kentug the pandemonium lord
142436 | Zig:21   | Killed Suyrhirgh the pandemonium lord
142437 | Zig:21   | Killed Konatz the pandemonium lord
142439 | Zig:21   | Killed Tiemniso the pandemonium lord
142450 | Zig:21   | HP: 8/199 [Killer Klown/klown pie (11)]
142452 | Zig:21   | Slain by an apocalypse crab (5 damage)
142458 | Zig:21   | Killed Qiopnan the pandemonium lord
142464 | Zig:21   | HP: 2/199 [Killer Klown/+12 club of freezing (22)]
142464 | Zig:21   | Slain by a Killer Klown
                  | ... wielding a +12 club of freezing
                  | (5 damage)
142465 | Zig:21   | Killed Fomuel the pandemonium lord
142514 | Zig:21   | Killed from afar by a Killer Klown (38 damage)
                  | ... with a klown pie
142670 | Zig:21   | Found the +7 great mace "Firestarter" {flame, immolate,
                  | rFlCloud rF++}
142689 | Zig:22   | Entered Level 22 of a ziggurat
142731 | Zig:22   | Found the sphere of Battle
142731 | Zig:22   | Found the +3 hat of Pondering {ponderous, Will+ MP+10
                  | Int+5}
142731 | Zig:22   | Found the +5 glaive of the Guard {elec, spectral, AC+5}
142732 | Zig:22   | Found the +8 orange crystal plate armour {Archmagi, Int+3
                  | Clar}
142917 | Zig:22   | Identified the +3 trident of Redda {protect, SInv}
142918 | Zig:22   | Identified the ring of Gacvy {rPois rF+}
142949 | Zig:23   | Entered Level 23 of a ziggurat
142989 | Zig:23   | Reached skill level 27 in Invocations
142991 | Zig:23   | Reached skill level 1 in Spellcasting
143003 | Zig:23   | Reached skill level 5 in Spellcasting
143200 | Zig:23   | Identified the ring "Amyaf" {Contam rPois Str+3 Int+2
                  | Dex+5}
143202 | Zig:23   | Got the Quarto of the Exothermic Black Widow
143205 | Zig:23   | Identified the staff of death "Litoduon" {rN+ Str+5 Int-4}
143206 | Zig:23   | Identified the staff of conjuration "Xatiufax" {rElec
                  | Dex+2}
143214 | Zig:23   | Identified the +12 war axe "Vuresu" {freeze, rC+ MP+9
                  | Str+7}
143218 | Zig:23   | Identified the staff of cold "Marym" {rElec rC+ Int+2}
143219 | Zig:23   | Identified the +3 whip of Feyg {pain, Fly}
143221 | Zig:23   | Identified the ring of Sudiuta {Will+ Str+2 Dex+3 Slay+3}
143223 | Zig:23   | Got the Volume of Moving Putrescence
143276 | Zig:23   | Lost mutation: You are partially covered in iridescent
                  | scales. (AC +2) [potion of mutation]
143276 | Zig:23   | Lost mutation: You have sharp fingernails. [potion of
                  | mutation]
143276 | Zig:23   | Lost mutation: You expend magic power (3 MP) to strengthen
                  | your wands. [potion of mutation]
143277 | Zig:23   | Lost mutation: You are vulnerable to heat. (rF-) [potion of
                  | mutation]
143277 | Zig:23   | Lost mutation: You are dopey. (Int -2) [potion of mutation]
143277 | Zig:23   | Lost mutation: You are occasionally teleported next to
                  | monsters. [potion of mutation]
143277 | Zig:23   | Gained mutation: Your body sometimes deteriorates upon
                  | taking damage. [potion of mutation]
143277 | Zig:23   | Gained mutation: You are robust. (+10% HP) [potion of
                  | mutation]
143277 | Zig:23   | Gained mutation: You are strong-willed. (Will+) [potion of
                  | mutation]
143277 | Zig:23   | Gained mutation: A frigid envelope surrounds you and
                  | freezes all who hurt you. [potion of mutation]
143278 | Zig:23   | Lost mutation: You have sharp toenails. [potion of
                  | mutation]
143278 | Zig:23   | Lost mutation: You are robust. (+10% HP) [potion of
                  | mutation]
143278 | Zig:23   | Lost mutation: Your body sometimes deteriorates upon taking
                  | damage. [potion of mutation]
143278 | Zig:23   | Gained mutation: You possess an exceptional clarity of
                  | mind. [potion of mutation]
143278 | Zig:23   | Gained mutation: Your magical capacity is low. (-10% MP)
                  | [potion of mutation]
143278 | Zig:23   | Gained mutation: You are robust. (+10% HP) [potion of
                  | mutation]
143345 | Zig:24   | Entered Level 24 of a ziggurat
143370 | Zig:24   | Noticed Riamnara the pandemonium lord
143370 | Zig:24   | Noticed Rohaw the pandemonium lord
143370 | Zig:24   | Noticed Exumas the pandemonium lord
143370 | Zig:24   | Noticed Lukam the pandemonium lord
143371 | Zig:24   | Noticed Keaj the pandemonium lord
143371 | Zig:24   | Noticed Foyreanko the pandemonium lord
143371 | Zig:24   | Noticed Ukhow the pandemonium lord
143371 | Zig:24   | Noticed Wennas the pandemonium lord
143371 | Zig:24   | Noticed Rizoa the pandemonium lord
143371 | Zig:24   | Noticed Oxaich the pandemonium lord
143371 | Zig:24   | Noticed Onomp the pandemonium lord
143371 | Zig:24   | Noticed Teifeos the pandemonium lord
143371 | Zig:24   | Noticed Qiuwn the pandemonium lord
143371 | Zig:24   | Noticed Makimoill the pandemonium lord
143371 | Zig:24   | Noticed Zoyff the pandemonium lord
143371 | Zig:24   | Noticed Irgheurij the pandemonium lord
143371 | Zig:24   | Noticed Ygusk the pandemonium lord
143372 | Zig:24   | Noticed Ejuhed the pandemonium lord
143373 | Zig:24   | Noticed Iretoloi the pandemonium lord
143373 | Zig:24   | Noticed Mujed the pandemonium lord
143376 | Zig:24   | Killed Ygusk the pandemonium lord
143378 | Zig:24   | Killed Riamnara the pandemonium lord
143378 | Zig:24   | Killed Keaj the pandemonium lord
143379 | Zig:24   | Killed Rohaw the pandemonium lord
143380 | Zig:24   | Killed Iretoloi the pandemonium lord
143382 | Zig:24   | Killed Oxaich the pandemonium lord
143382 | Zig:24   | Killed Irgheurij the pandemonium lord
143383 | Zig:24   | Killed Teifeos the pandemonium lord
143384 | Zig:24   | Killed Onomp the pandemonium lord
143384 | Zig:24   | Killed Makimoill the pandemonium lord
143384 | Zig:24   | Killed Exumas the pandemonium lord
143386 | Zig:24   | Killed Qiuwn the pandemonium lord
143386 | Zig:24   | Killed Ukhow the pandemonium lord
143389 | Zig:24   | Killed Rizoa the pandemonium lord
143390 | Zig:24   | Killed Lukam the pandemonium lord
143394 | Zig:24   | Killed Foyreanko the pandemonium lord
143396 | Zig:24   | Killed Wennas the pandemonium lord
143399 | Zig:24   | Killed Zoyff the pandemonium lord
143407 | Zig:24   | Killed Mujed the pandemonium lord
143408 | Zig:24   | Reached skill level 10 in Spellcasting
143410 | Zig:24   | Killed from afar by Ejuhed the pandemonium lord (34 damage)
                  | ... with a crystal spear
143415 | Zig:24   | Killed Ejuhed the pandemonium lord
143441 | Zig:24   | Identified the ring "Xeliluv" {rElec rN+ rCorr MP+9 Dex-3}
143445 | Zig:24   | Identified the +0 ice dragon scales of Courage {rPois rF-
                  | rC++ Regen+ Str-5 Dex-4}
143450 | Zig:24   | Identified the amulet of Qaahug {RegenMP Fly rCorr Dex-4}
143464 | Zig:24   | Identified the +2 morningstar "Hemnucyi" {freeze, rElec
                  | rPois rCorr Int-3}
143519 | Zig:25   | Entered Level 25 of a ziggurat
143530 | Zig:25   | Noticed a juggernaut
143535 | Zig:25   | Noticed a juggernaut
143537 | Zig:25   | Noticed a juggernaut
143538 | Zig:25   | Noticed a juggernaut
143538 | Zig:25   | Noticed a juggernaut
143538 | Zig:25   | Noticed a juggernaut
143538 | Zig:25   | Noticed a juggernaut
143538 | Zig:25   | Noticed a juggernaut
143538 | Zig:25   | Noticed a juggernaut
143543 | Zig:25   | Noticed a juggernaut
143546 | Zig:25   | Killed a juggernaut
143548 | Zig:25   | Killed a juggernaut
143548 | Zig:25   | Killed a juggernaut
143549 | Zig:25   | Killed a juggernaut
143551 | Zig:25   | Killed a juggernaut
143551 | Zig:25   | Killed a juggernaut
143553 | Zig:25   | Killed a juggernaut
143553 | Zig:25   | Killed a juggernaut
143554 | Zig:25   | Killed a juggernaut
143555 | Zig:25   | Killed a juggernaut
143773 | Zig:25   | Identified the +0 pair of boots of the Sun {Rampage Fly
                  | Int-2 Dex-2}
143781 | Zig:25   | Identified the staff of cold "Sunomeuf" {rPois rC+ rN++
                  | Str-5 Stlth+}
143782 | Zig:25   | Identified the ring "Piwka" {rF+ Str-2 Dex+6 Slay+2}
143786 | Zig:25   | Identified the ring of Immorality {rElec rC+ rCorr Dex+6}
143794 | Zig:25   | Identified the staff of poison "Bavi" {rPois rF+ rCorr
                  | Dex+3}
143796 | Zig:25   | Identified the staff of air "Hodazit" {Fragile rElec rF+
                  | Int+2}
143861 | Zig:26   | Entered Level 26 of a ziggurat
143884 | Zig:26   | Noticed a dread lich
143884 | Zig:26   | Noticed an ancient lich
143901 | Zig:26   | Killed a dread lich
143902 | Zig:26   | Reached skill level 15 in Spellcasting
143909 | Zig:26   | Killed an ancient lich
144191 | Zig:26   | Identified the +1 short sword of Tiw Kace {freeze, rElec
                  | Int-4 Dex+7 Stlth+}
144192 | Zig:26   | Identified the +11 chain mail of Conscience {MP+9 Str-4
                  | Dex+2 SInv}
144196 | Zig:26   | Identified the +9 ring mail of Qeajutoc {rN+ Int+2}
144199 | Zig:26   | Identified the staff of cold "Herewas" {rC+ rCorr MP+9}
144205 | Zig:26   | Identified the +1 acid dragon scales of Irksome Contentment
                  | {rPois rN++ rCorr}
144212 | Zig:26   | Acquired a manual of Spellcasting
144215 | Zig:26   | Identified the +8 dagger "Demonbane" {distort, rElec rCorr
                  | Str-5 Dex+2}
144219 | Zig:26   | Identified the +4 mace "Niucas" {heavy, rC+ Int+3 Dex+2}
144245 | Zig:27   | Entered Level 27 of a ziggurat
144261 | Zig:27   | Noticed Xuvist the pandemonium lord
144265 | Zig:27   | HP: 6/218 [Executioner (29)]
144265 | Zig:27   | Killed by divine providence
                  | ... invoked by a balrug
                  | (11 damage)
144269 | Zig:27   | Annihilated by Xuvist the pandemonium lord (34 damage)
144270 | Zig:27   | Annihilated by Xuvist the pandemonium lord (48 damage)
144282 | Zig:27   | HP: 9/218 [something (7)]
144283 | Zig:27   | Slain by Xuvist the pandemonium lord (10 damage)
144301 | Zig:27   | Killed Xuvist the pandemonium lord
144307 | Zig:27   | Upgraded the game from 0.30-a0-1116-gebefce21f7 to
                  | 0.30-a0-1157-g2cc9ac7196
144520 | Zig:27   | Identified the ring of the Mantidfly {rElec rN++ rCorr
                  | Str+6 Stlth-}
144523 | Zig:27   | Identified the +1 scale mail of the Fiend {Regen+}
144529 | Zig:27   | Identified the staff of conjuration "Sodaa" {rElec MP+9}
145320 | Zig:1    | Entered Level 1 of a ziggurat
145331 | Zig:2    | Entered Level 2 of a ziggurat
145331 | Zig:2    | Noticed an ancient lich
145336 | Zig:2    | Killed an ancient lich
145352 | Zig:3    | Entered Level 3 of a ziggurat
145463 | Zig:4    | Entered Level 4 of a ziggurat
145753 | Zig:5    | Entered Level 5 of a ziggurat
145788 | Zig:6    | Entered Level 6 of a ziggurat
145796 | Zig:6    | Reached skill level 1 in Ice Magic
145919 | Zig:7    | Entered Level 7 of a ziggurat
146065 | Zig:7    | Identified the ring of Nouptuidu {+Blink rF+ Str+2}
146068 | Zig:7    | Identified the +2 mace of Governance {heavy, *Noise rC++
                  | Dex+5}
146074 | Zig:8    | Entered Level 8 of a ziggurat
146260 | Zig:8    | Identified the +5 glaive of Peumo {venom, Fragile rElec
                  | Will+++ Dex-4}
146269 | Zig:8    | Identified the +3 broad axe of the Smoking Penguin {spect,
                  | rN+ Will+ Int+3}
146292 | Zig:9    | Entered Level 9 of a ziggurat
146301 | Zig:9    | Found the +3 pair of gauntlets of War {Slay+5}
146313 | Zig:9    | Reached skill level 5 in Ice Magic
146338 | Zig:9    | HP: 9/208 [wolf spider (6)]
146339 | Zig:9    | HP: 3/209 [torpor snail (4)]
146340 | Zig:9    | Slain by a wolf spider (6 damage)
146814 | Zig:9    | Identified the +7 mace "Sarcophage" {elec, rF+ rCorr Int+3}
146950 | Zig:9    | Identified the +3 glaive of the Howling One {pain, Str+6}
146959 | Zig:10   | Entered Level 10 of a ziggurat
147172 | Zig:11   | Entered Level 11 of a ziggurat
147250 | Zig:11   | HP: 1/218 [ogre/+0 giant club (13)]
147851 | Zig:11   | Identified the staff of cold "Wuruip" {rC+ Str+6 Int-4
                  | SInv}
147855 | Zig:11   | Identified the +0 plate armour of Cheibriados's Approval
                  | {rC+ Str+4 Int+4 SInv}
147856 | Zig:11   | Identified the staff of poison "Taralida" {rPois Str+4}
147886 | Zig:12   | Entered Level 12 of a ziggurat
147900 | Zig:12   | Noticed a dread lich
147900 | Zig:12   | Noticed a dread lich
147900 | Zig:12   | Noticed an ancient lich
147912 | Zig:12   | Killed an ancient lich
147914 | Zig:12   | Killed a dread lich
147917 | Zig:12   | Killed a dread lich
148364 | Zig:13   | Entered Level 13 of a ziggurat
148371 | Zig:13   | Noticed a royal mummy
148375 | Zig:13   | Reached skill level 10 in Ice Magic
148378 | Zig:13   | Killed a royal mummy
148383 | Zig:13   | Noticed a royal mummy
148398 | Zig:13   | Killed by divine providence
                  | ... invoked by a royal mummy
                  | (13 damage)
148404 | Zig:13   | Killed a royal mummy
148502 | Zig:13   | Identified the ring of Serem {rPois rC+}
148505 | Zig:13   | Identified the +0 robe of Evolution {rF++ rCorr Str-5
                  | Dex+4}
148552 | Zig:14   | Entered Level 14 of a ziggurat
148571 | Zig:14   | Found the +7 Spriggan's Knife {stab, EV+4 Stlth+}
148597 | Zig:14   | HP: 8/218 [wolf spider (12)]
148597 | Zig:14   | Slain by a wolf spider (10 damage)
148617 | Zig:14   | HP: 6/218 [disintegration (35)]
148619 | Zig:14   | Found the +2 Maxwell's thermic engine {flame, freeze, rev}
148620 | Zig:14   | HP: 2/218 [spore (5)]
148621 | Zig:14   | Blown up by an orb spider (16 damage)
                  | ... with a wavering orb of destruction
148685 | Zig:14   | Found the dreamshard necklace {*Dream Drain}
148821 | Zig:14   | Identified the +10 war axe of the Tundras {drain, rC+ rN+
                  | rCorr Stlth+}
148844 | Zig:15   | Entered Level 15 of a ziggurat
149158 | Zig:15   | Identified the amulet "Seodim" {Faith Str+6}
149160 | Zig:15   | Identified the ring of Skepticism {Fire rCorr Dex-5 SInv
                  | Stlth+}
149162 | Zig:15   | Identified the +5 whip "Impslayer" {freeze, Fly rF+ rC+
                  | MP-9}
149163 | Zig:15   | Identified the +6 arbalest "Ojeomepu" {elec, Fly Stlth+}
149168 | Zig:15   | Identified the amulet of Rofupnap {Spirit rPois rC- rCorr}
149172 | Zig:15   | Identified the +7 scimitar of Kel Nazai {protect, rC+
                  | Int+4}
149176 | Zig:15   | Identified the staff of poison "Rakojela" {rPois Int+2}
149183 | Zig:15   | Identified the staff of poison "Hafusy" {rElec rPois Str+2
                  | Dex+2}
149228 | Zig:16   | Entered Level 16 of a ziggurat
149249 | Zig:16   | Gained mutation: Your spells are a little easier to cast,
                  | but a little less powerful. [a shining eye]
149393 | Zig:16   | Identified the +4 hand axe "Luchenk" {freeze, rPois}
149399 | Zig:16   | Identified the +0 scale mail of Xouceph {Harm rC+ Regen+}
149407 | Zig:16   | Got the Atlas of Frore Direction
149409 | Zig:16   | Identified the ring of Temptation {*Corrode rPois rC+ rN+
                  | Dex+3}
149418 | Zig:16   | Identified the +5 hand crossbow of Hospitality {penet,
                  | rElec rC- Will++}
149464 | Zig:17   | Entered Level 17 of a ziggurat
149504 | Zig:17   | HP: 7/218 [daeva/divine providence (9)]
149506 | Zig:17   | Killed by divine providence
                  | ... invoked by a daeva
                  | (9 damage)
149523 | Zig:17   | HP: 8/218 [daeva/+2 eudemon blade of holy wrath (13)]
149523 | Zig:17   | Mangled by an apis (14 damage)
149553 | Zig:17   | HP: 9/218 [spore (3)]
150115 | Zig:17   | Identified the +0 hand axe of Integrity {drain, rCorr
                  | Dex+4}
150120 | Zig:17   | Identified the +4 spear "Ypsucs" {freeze, Str+3 Stlth+}
150123 | Zig:17   | Identified the +3 morningstar of Execution {drain, Will+}
150141 | Zig:17   | Identified the ring "Neqiczus" {Will+ Dex+5}
150167 | Zig:18   | Entered Level 18 of a ziggurat
150184 | Zig:18   | Noticed Zithetz the pandemonium lord
150194 | Zig:18   | Killed Zithetz the pandemonium lord
150195 | Zig:18   | Reached skill level 15 in Ice Magic
150218 | Zig:18   | HP: 9/218 [spore (2)]
150224 | Zig:18   | Slain by a reaper
                  | ... wielding a +0 scythe of venom
                  | (12 damage)
150419 | Zig:18   | Identified the ring "Zyfeabb" {AC+4 Str+3 Int+4 Dex-3
                  | Stlth+}
150426 | Zig:18   | Identified the ring of Greater Demons {*Slow rPois Str+3
                  | Int+2}
150433 | Zig:18   | Identified the amulet of the Living God {-Tele Regen+ Str+5
                  | Stlth+}
150443 | Zig:18   | Identified the +8 mace "Feiff" {heavy, *Slow +Blink Str+8}
150446 | Zig:18   | Identified the ring of Autotheism {rPois rF+++ Str-4}
150472 | Zig:19   | Entered Level 19 of a ziggurat
150507 | Zig:19   | Paralysed by accursed screaming for 1 turns
150535 | Zig:19   | Paralysed by accursed screaming for 2 turns
150540 | Zig:19   | HP: 8/218 [smoke demon/divine providence (12)]
150541 | Zig:19   | Killed from afar by a starcursed mass (12 damage)
                  | ... with an accursed screaming
150541 | Zig:19   | Paralysed by accursed screaming for 2 turns
150564 | Zig:19   | Paralysed by accursed screaming for 1 turns
150640 | Zig:19   | Found the +7 sceptre of Torment {pain, torment}
150648 | Zig:19   | Learned a level 4 spell: Animate Armour
150658 | Zig:19   | Learned a level 9 spell: Polar Vortex
150682 | Zig:19   | Identified the +3 demon trident of Due Proportion {vamp,
                  | *Corrode rF+ Str+3}
150686 | Zig:19   | Identified the amulet of Uxtoc {RegenMP rElec Will++ Int+2}
150710 | Zig:20   | Entered Level 20 of a ziggurat
150730 | Zig:20   | Noticed Waheram the pandemonium lord
150751 | Zig:20   | HP: 2/218 [Hell Sentinel (21)]
150752 | Zig:20   | Mangled by a vampire knight
                  | ... wielding a +0 heavy great sword
                  | ... summoned by a demonspawn corrupter
                  | (13 damage)
150758 | Zig:20   | Gained mutation: Your spells are easier to cast, but less
                  | powerful. [a cacodemon]
150767 | Zig:20   | HP: 6/218 [demonspawn black sun/+0 glaive (11)]
150767 | Zig:20   | Killed by the air
                  | ... invoked by a blizzard demon
                  | (6 damage)
150773 | Zig:20   | Killed Waheram the pandemonium lord
150775 | Zig:20   | Slain by a Tzitzimitl (20 damage)
150780 | Zig:20   | Gained mutation: You do not regenerate when monsters are
                  | visible. [a neqoxec]
150780 | Zig:20   | Mangled by a demonspawn black sun
                  | ... wielding a +0 glaive
                  | (37 damage)
150793 | Zig:20   | HP: 4/200 [demonspawn black sun (illusionary)/bolt of
                  | negative energy (7)]
150794 | Zig:20   | Slain by a rakshasa
                  | ... wielding a +2 demon trident of
                  | electrocution
                  | (9 damage)
150908 | Zig:20   | Found the -2 hat of the Alchemist {rElec rPois rF+ rC+ rN+
                  | Will+ rMut rCorr}
150911 | Zig:20   | Found the amulet of Vitality {RegenMP++ Regen++}
150919 | Zig:20   | Identified the +1 ring mail "Iturom" {rC+ SInv}
150921 | Zig:20   | Identified the +9 plate armour of Oniytoesch {Rampage rN+
                  | rCorr}
150922 | Zig:20   | Identified the +4 pair of boots of the Harvest {rElec
                  | Int+5}
150923 | Zig:20   | Identified the +6 flail of the Hungering Gods {heavy, SInv
                  | Stlth+}
150928 | Zig:20   | Identified the staff of poison "Hoefid" {rPois Str+5}
150935 | Zig:20   | Identified the +3 flail of Income {drain, Will- Dex+2 SInv}
151037 | Zig:21   | Entered Level 21 of a ziggurat
151080 | Zig:21   | Mangled by a snapping turtle (24 damage)
151383 | Zig:21   | Found the +8 mithril axe "Arga" {speed, Will+}
151396 | Zig:21   | Identified the +5 hand axe of Lips {heavy, *Slow MP+9 Str+6
                  | Dex+3}
151401 | Zig:21   | Identified the +5 scimitar "Ultimatum" {drain, Dex+3 SInv}
151403 | Zig:21   | Identified the +1 helmet "Myhaelug" {Dex+3}
151404 | Zig:21   | Identified the staff of air "Modghiy" {rElec rC+ Int+3}
151488 | Zig:22   | Entered Level 22 of a ziggurat
151503 | Zig:22   | Noticed a royal mummy
151504 | Zig:22   | Noticed a royal mummy
151505 | Zig:22   | Noticed a royal mummy
151508 | Zig:22   | Noticed a royal mummy
151508 | Zig:22   | Noticed a royal mummy
151509 | Zig:22   | Noticed a royal mummy
151511 | Zig:22   | Noticed a royal mummy
151512 | Zig:22   | Noticed a royal mummy
151513 | Zig:22   | Killed a royal mummy
151513 | Zig:22   | Noticed a royal mummy
151514 | Zig:22   | Noticed a royal mummy
151515 | Zig:22   | Reached skill level 1 in Necromancy
151516 | Zig:22   | Noticed a royal mummy
151517 | Zig:22   | Noticed a royal mummy
151517 | Zig:22   | HP: 10/210 [death scarab[a royal mummy] (5)]
151518 | Zig:22   | Noticed a royal mummy
151519 | Zig:22   | Slain by a death scarab (15 damage)
                  | ... summoned by a royal mummy
151522 | Zig:22   | Noticed a royal mummy
151528 | Zig:22   | HP: 4/210 [death scarab[a royal mummy] (14)]
151528 | Zig:22   | Killed by divine providence
                  | ... invoked by a royal mummy
                  | (13 damage)
151535 | Zig:22   | Noticed a royal mummy
151535 | Zig:22   | Killed by divine providence
                  | ... invoked by a mummy priest
                  | (14 damage)
151537 | Zig:22   | HP: 10/210 [mummy priest/divine providence (15)]
151537 | Zig:22   | Killed by divine providence
                  | ... invoked by a mummy priest
                  | (11 damage)
151543 | Zig:22   | HP: 10/210 [??? (1)]
151543 | Zig:22   | Killed by divine providence
                  | ... invoked by a royal mummy
                  | (10 damage)
151549 | Zig:22   | Killed by divine providence
                  | ... invoked by a royal mummy
                  | (14 damage)
151553 | Zig:22   | HP: 8/210 [royal mummy/divine providence (11)]
151553 | Zig:22   | Killed by divine providence
                  | ... invoked by a royal mummy
                  | (13 damage)
151558 | Zig:22   | HP: 1/210 [death scarab[a royal mummy] (14)]
151558 | Zig:22   | Killed by divine providence
                  | ... invoked by a royal mummy
                  | (11 damage)
151563 | Zig:22   | HP: 10/210 [royal mummy/divine providence (9)]
151564 | Zig:22   | Killed by divine providence
                  | ... invoked by a royal mummy
                  | (11 damage)
151567 | Zig:22   | Killed by divine providence
                  | ... invoked by a mummy priest
                  | (15 damage)
151568 | Zig:22   | Killed a royal mummy
151569 | Zig:22   | Killed a royal mummy
151572 | Zig:22   | Killed a royal mummy
151574 | Zig:22   | Killed a royal mummy
151581 | Zig:22   | Killed a royal mummy
151581 | Zig:22   | Killed by divine providence
                  | ... invoked by a royal mummy
                  | (11 damage)
151589 | Zig:22   | Killed a royal mummy
151595 | Zig:22   | HP: 6/218 [royal mummy/divine providence (11)]
151596 | Zig:22   | HP: 1/218 [royal mummy (5)]
151596 | Zig:22   | Killed a royal mummy
151596 | Zig:22   | Killed by divine providence
                  | ... invoked by a royal mummy
                  | (12 damage)
151606 | Zig:22   | HP: 10/218 [caustic shrike simulacrum[a mummy priest] (44)]
151606 | Zig:22   | HP: 4/218 [emperor scorpion[a royal mummy] (1)]
151608 | Zig:22   | Mangled by a death scarab (14 damage)
                  | ... summoned by a royal mummy
151620 | Zig:22   | HP: 7/218 [death scarab[a royal mummy] (13)]
151621 | Zig:22   | Mangled by a death scarab (13 damage)
                  | ... summoned by a royal mummy
151625 | Zig:22   | Reached skill level 5 in Necromancy
151625 | Zig:22   | Killed a royal mummy
151627 | Zig:22   | Killed a royal mummy
151634 | Zig:22   | HP: 10/212 [death scarab[a royal mummy] (13)]
151634 | Zig:22   | HP: 2/212 [death scarab[a royal mummy] (8)]
151636 | Zig:22   | Mangled by a death scarab (14 damage)
                  | ... summoned by a royal mummy
151646 | Zig:22   | Slain by a sphinx simulacrum (47 damage)
151655 | Zig:22   | Killed a royal mummy
151660 | Zig:22   | Killed a royal mummy
151663 | Zig:22   | Slain by a royal mummy (16 damage)
151663 | Zig:22   | Killed a royal mummy
151670 | Zig:22   | Killed a royal mummy
151672 | Zig:22   | Killed a royal mummy
152073 | Zig:22   | Identified the staff of fire "Piprodd" {rF+ Int+5}
152191 | Zig:23   | Entered Level 23 of a ziggurat
152796 | Zig:23   | Identified the staff of death "Leoroc" {*Slow +Blink rPois
                  | rN+}
152797 | Zig:23   | Identified the ring "Qual Qai" {Ice rPois}
152799 | Zig:23   | Identified the +1 pair of gloves "Vuufuath" {rF- Regen+
                  | rCorr Dex-5}
152811 | Zig:23   | Identified the +1 chain mail of the Lost Lies {rC+ Regen+
                  | SInv}
152815 | Zig:23   | Identified the +10 short sword "Aqekugiu" {freeze, Int+6
                  | Dex+2}
152848 | Zig:24   | Entered Level 24 of a ziggurat
152905 | Zig:24   | Reached skill level 10 in Necromancy
152912 | Zig:24   | HP: 5/218 [orc high priest/divine providence (11)]
152913 | Zig:24   | Engulfed by a cloud of thunder (6 damage)
153300 | Zig:24   | Got Sif Muna's Spellbook of the Burn
153305 | Zig:24   | Identified the ring "Vusasidgh" {rElec Will+ Int+2 Dex+3}
153322 | Zig:24   | Identified the +2 ring mail of Fashionability {Int+6 Dex-5
                  | Stlth+}
153342 | Zig:25   | Entered Level 25 of a ziggurat
153359 | Zig:25   | Noticed Upeuf the pandemonium lord
153360 | Zig:25   | Noticed Munuh the pandemonium lord
153360 | Zig:25   | Noticed Ruat the pandemonium lord
153361 | Zig:25   | Noticed Doqis the pandemonium lord
153361 | Zig:25   | Noticed Hixtad the pandemonium lord
153361 | Zig:25   | Noticed Poruyras the pandemonium lord
153361 | Zig:25   | Noticed Ulemn the pandemonium lord
153362 | Zig:25   | Noticed Goecis the pandemonium lord
153362 | Zig:25   | Noticed Zalico the pandemonium lord
153362 | Zig:25   | Noticed Vutiq the pandemonium lord
153362 | Zig:25   | Noticed Luasykh the pandemonium lord
153363 | Zig:25   | Noticed Zoru the pandemonium lord
153363 | Zig:25   | Noticed Fiwi the pandemonium lord
153363 | Zig:25   | Noticed Fellewku the pandemonium lord
153364 | Zig:25   | Noticed Ukodulos the pandemonium lord
153364 | Zig:25   | Noticed Jakistru the pandemonium lord
153368 | Zig:25   | Noticed Loitawau the pandemonium lord
153369 | Zig:25   | Killed Goecis the pandemonium lord
153373 | Zig:25   | Killed Munuh the pandemonium lord
153379 | Zig:25   | Killed Zoru the pandemonium lord
153384 | Zig:25   | Noticed Erud Vec the pandemonium lord
153384 | Zig:25   | Killed Doqis the pandemonium lord
153388 | Zig:25   | Slain by Luasykh the pandemonium lord (19 damage)
153390 | Zig:25   | Noticed Moxi the pandemonium lord
153390 | Zig:25   | Killed Luasykh the pandemonium lord
153390 | Zig:25   | Killed Zalico the pandemonium lord
153390 | Zig:25   | Killed Fiwi the pandemonium lord
153390 | Zig:25   | Killed Vutiq the pandemonium lord
153393 | Zig:25   | Killed Ulemn the pandemonium lord
153393 | Zig:25   | Noticed Leykh the pandemonium lord
153394 | Zig:25   | Noticed Askimezu the pandemonium lord
153396 | Zig:25   | Killed Erud Vec the pandemonium lord
153398 | Zig:25   | Killed Ukodulos the pandemonium lord
153398 | Zig:25   | Killed Fellewku the pandemonium lord
153403 | Zig:25   | Killed Loitawau the pandemonium lord
153406 | Zig:25   | Killed Jakistru the pandemonium lord
153408 | Zig:25   | HP: 7/218 [Hixtad the pandemonium lord (13)]
153408 | Zig:25   | Noticed Palousk the pandemonium lord
153409 | Zig:25   | Killed Poruyras the pandemonium lord
153409 | Zig:25   | Noticed Togonosm the pandemonium lord
153409 | Zig:25   | Mangled by a wolf spider (14 damage)
                  | ... summoned by a broodmother
153415 | Zig:25   | Killed Hixtad the pandemonium lord
153416 | Zig:25   | Killed Ruat the pandemonium lord
153429 | Zig:25   | HP: 10/218 [Askimezu the pandemonium lord (1)]
153430 | Zig:25   | Slain by Palousk the pandemonium lord (10 damage)
153440 | Zig:25   | Killed by divine providence
                  | ... invoked by a smoke demon
                  | ... summoned by Togonosm
                  | (13 damage)
153443 | Zig:25   | Killed Leykh the pandemonium lord
153456 | Zig:25   | Killed Askimezu the pandemonium lord
153456 | Zig:25   | Collided with Askimezu (14 damage)
                  | ... caused by Moxi the pandemonium lord
153458 | Zig:25   | Killed Moxi the pandemonium lord
153467 | Zig:25   | Noticed Fogip the pandemonium lord
153476 | Zig:25   | HP: 9/218 [Palousk the pandemonium lord (10)]
153476 | Zig:25   | Slain by an apocalypse crab (7 damage)
153480 | Zig:25   | Paralysed by you for 2 turns
153486 | Zig:25   | Killed Palousk the pandemonium lord
153501 | Zig:25   | Killed Togonosm the pandemonium lord
153505 | Zig:25   | Killed Upeuf the pandemonium lord
153513 | Zig:25   | Killed Fogip the pandemonium lord
153761 | Zig:25   | Noticed Noluosus the pandemonium lord
153768 | Zig:25   | Killed Noluosus the pandemonium lord
153855 | Zig:25   | Identified the +5 halberd of Ewomoug {freeze, Fragile rPois
                  | Str+3}
153881 | Zig:25   | Identified the staff of air "Enoobimo" {*Slow rElec rPois
                  | Dex+4 Stlth+}
153882 | Zig:25   | Identified the ring "Itic" {rF+ Will+ SInv}
153892 | Zig:25   | Identified the staff of conjuration "Dairyshru" {rF+}
153893 | Zig:25   | Identified the +4 battleaxe of Joyful Slaughter {venom,
                  | +Blink rC- Dex+3 SInv}
153896 | Zig:25   | Identified the staff of conjuration "Horuor" {Drain rC-
                  | Will+++ SInv}
153901 | Zig:25   | Identified the amulet of Modesty {Reflect Regen+ SH+5}
153906 | Zig:26   | Entered Level 26 of a ziggurat
153997 | Zig:26   | Slain by an iron troll (33 damage)
154422 | Zig:26   | Identified the +4 chain mail of Werghoam {Rampage rC+ rN+
                  | Dex-4}
154426 | Zig:26   | Identified the +3 leather armour of the Comet {Dex+4}
154427 | Zig:26   | Identified the +0 chain mail of Parts Unknown {Str-4 Dex+7
                  | SInv Stlth+}
154436 | Zig:26   | Identified the staff of earth "Acaesel" {Will+++}
154496 | Zig:27   | Entered Level 27 of a ziggurat
154522 | Zig:27   | Reached skill level 27 in Spellcasting
154608 | Zig:27   | HP: 8/218 [water nymph/the raging water (14)]
154608 | Zig:27   | Killed from afar by a merfolk aquamancer (13 damage)
                  | ... with a torrent of water
154648 | Zig:27   | HP: 9/218 [merfolk impaler/+8 heavy trident (3)]
154648 | Zig:27   | Slain by a merfolk impaler
                  | ... wielding a +5 demon trident of
                  | electrocution
                  | (11 damage)
154744 | Zig:27   | Identified the staff of conjuration "Aklaclem" {Str+2
                  | Dex+3}
154746 | Zig:27   | Identified the +1 pair of boots of the Sky {Contam +Inv
                  | rElec rPois}
154752 | Zig:27   | Identified the +4 scale mail of Hiupn {Contam Str+5}
154755 | Zig:27   | Identified the +6 demon whip of Pyanlen {drain, rN+}
154764 | Zig:27   | Identified the staff of death "Wodiptu" {rPois rN+ SInv}
154773 | Zig:27   | Identified the ring "Debbiog" {Ice Fly Str+3}
154778 | Zig:27   | Got Xuomiuz's Directory of Support
154789 | Zig:27   | Identified the +6 sling of the Elven Halls {speed, rN++}
154838 | Zig:1    | Entered Level 1 of a ziggurat
154889 | Zig:2    | Entered Level 2 of a ziggurat
154911 | Zig:3    | Entered Level 3 of a ziggurat
154928 | Zig:3    | Reached skill level 15 in Necromancy
154939 | Zig:4    | Entered Level 4 of a ziggurat
154993 | Zig:5    | Entered Level 5 of a ziggurat
155054 | Zig:5    | Identified the staff of conjuration "Qiteakar" {rPois
                  | rCorr}
155057 | Zig:6    | Entered Level 6 of a ziggurat
155344 | Zig:7    | Entered Level 7 of a ziggurat
155369 | Zig:7    | HP: 9/206 [hellwing[an orc sorcerer] (6)]
155370 | Zig:7    | HP: 3/206 [orc warrior/+0 halberd (3)]
155370 | Zig:7    | HP: 1/206 [orc sorcerer/bolt of fire (2)]
155370 | Zig:7    | Demolished by an orc warrior
                  | ... wielding a +0 halberd
                  | (19 damage)
155615 | Zig:8    | Entered Level 8 of a ziggurat
155632 | Zig:8    | Paralysed by a floating eye for 3 turns
155648 | Zig:8    | Paralysed by a floating eye for 3 turns
155735 | Zig:8    | Identified the +4 rapier "Vuerchyz" {venom, Str-4 Int+3
                  | SInv}
155763 | Zig:9    | Entered Level 9 of a ziggurat
155792 | Zig:9    | HP: 9/218 [demonic crawler (5)]
155793 | Zig:9    | Slain by a demonic crawler (11 damage)
156193 | Zig:9    | Identified the +2 chain mail of Mezcal {rN+ Dex-5 Slay+2}
156202 | Zig:10   | Entered Level 10 of a ziggurat
156210 | Zig:10   | Noticed a juggernaut
156211 | Zig:10   | Noticed a juggernaut
156211 | Zig:10   | Noticed a juggernaut
156211 | Zig:10   | Found the ring of the Hare {EV+10}
156212 | Zig:10   | Noticed a juggernaut
156217 | Zig:10   | Killed a juggernaut
156220 | Zig:10   | Killed a juggernaut
156224 | Zig:10   | Killed a juggernaut
156226 | Zig:10   | Killed a juggernaut
156584 | Zig:10   | Identified the +5 battleaxe of Rubbish {heavy, rPois rC+++}
156599 | Zig:11   | Entered Level 11 of a ziggurat
156612 | Zig:11   | Paralysed by an air elemental for 1 turns
156760 | Zig:12   | Entered Level 12 of a ziggurat
157139 | Zig:12   | Identified the +0 leather armour of Cloud Cover {+Blink}
157142 | Zig:12   | Identified the +8 sling of Ambiguity {drain, Will++}
157150 | Zig:13   | Entered Level 13 of a ziggurat
157436 | Zig:13   | Identified the ring "Tajiuw" {Wiz +Blink Str+4}
157437 | Zig:13   | Identified the +1 short sword "Fofergh" {heavy, rPois
                  | Will++ Str-3 SInv}
157439 | Zig:13   | Identified the staff of conjuration "Donwol" {Str-2 Int+6}
157448 | Zig:13   | Identified the +1 robe "Wacib" {rC- rN+++ Will+++ Str-5}
157458 | Zig:14   | Entered Level 14 of a ziggurat
157477 | Zig:14   | HP: 10/218 [wendigo/seracfall (20)]
157480 | Zig:14   | Annihilated by a wendigo (30 damage)
157746 | Zig:14   | Identified the staff of poison "Botugic" {rElec rPois rC+
                  | Will+}
157766 | Zig:14   | Identified the staff of conjuration "Doucsu" {rElec rC+
                  | Dex+2}
157774 | Zig:15   | Entered Level 15 of a ziggurat
157788 | Zig:15   | Noticed a dread lich
157789 | Zig:15   | Found the +3 giant club "Skullcrusher" {speed, Str+7}
157803 | Zig:15   | Killed a dread lich
157814 | Zig:15   | Identified the staff of poison "Caddaed" {rPois Str+2
                  | Int+8}
158005 | Zig:15   | Identified the +6 quarterstaff of Ligodoc {venom, rC-
                  | Str+4}
158009 | Zig:15   | Identified the +1 leather armour of Darkness {Int+3}
158013 | Zig:15   | Identified the +6 quarterstaff of Duguq {speed, +Blink rF+
                  | rC+}
158058 | Zig:16   | Entered Level 16 of a ziggurat
158082 | Zig:16   | HP: 9/218 [demonic crawler (22)]
158082 | Zig:16   | Mangled by a wolf spider (15 damage)
158087 | Zig:16   | HP: 7/218 [wolf spider (8)]
158087 | Zig:16   | Killed by divine providence
                  | ... invoked by a meliai
                  | (10 damage)
158092 | Zig:16   | HP: 1/218 [culicivora (13)]
158092 | Zig:16   | Slain by a redback (2 damage)
                  | ... summoned by an orange crystal statue
158099 | Zig:16   | HP: 8/218 [emperor scorpion (3)]
158101 | Zig:16   | Engulfed by a cloud of thunder (11 damage)
158509 | Zig:16   | Identified the +7 plate armour of Lewaticw {rF+ rCorr
                  | Stlth+}
158510 | Zig:16   | Identified the ring "Til Qifu" {rPois Dex+6}
158512 | Zig:16   | Identified the +2 mace of the Special Scars {freeze, Str+2}
158513 | Zig:16   | Identified the ring "Zefremne" {rN+++ Str+6}
158563 | Zig:17   | Entered Level 17 of a ziggurat
158933 | Zig:17   | Identified the +2 leather armour of Eternity {Rampage MP+9
                  | Int+4}
158954 | Zig:17   | Identified the ring of the Messenger {AC+4 Stlth+}
158976 | Zig:18   | Entered Level 18 of a ziggurat
158992 | Zig:18   | Noticed an orb of fire
158992 | Zig:18   | Noticed an orb of fire
158993 | Zig:18   | Noticed an orb of fire
158993 | Zig:18   | Noticed an orb of fire
158993 | Zig:18   | Noticed an orb of fire
158993 | Zig:18   | Noticed an orb of fire
158993 | Zig:18   | Noticed an orb of fire
158994 | Zig:18   | Noticed an orb of fire
158994 | Zig:18   | Noticed an orb of fire
158998 | Zig:18   | Killed an orb of fire
159004 | Zig:18   | Killed an orb of fire
159010 | Zig:18   | Killed an orb of fire
159012 | Zig:18   | Killed an orb of fire
159016 | Zig:18   | HP: 6/218 [balrug/fireball (13)]
159016 | Zig:18   | Killed from afar by an efreet (8 damage)
                  | ... with a bolt of fire
159023 | Zig:18   | Killed an orb of fire
159036 | Zig:18   | HP: 8/218 [orb of fire/fireball (33)]
159036 | Zig:18   | Killed from afar by an orb of fire (19 damage)
                  | ... with a fireball
159040 | Zig:18   | Killed an orb of fire
159054 | Zig:18   | Killed an orb of fire
159062 | Zig:18   | Killed an orb of fire
159068 | Zig:18   | Killed an orb of fire
159356 | Zig:18   | Identified the ring "Xeuruf" {rCorr Str+3 Int+4}
159358 | Zig:19   | Entered Level 19 of a ziggurat
159404 | Zig:19   | HP: 10/218 [orc warrior/+0 halberd (6)]
159404 | Zig:19   | Killed by divine providence
                  | ... invoked by an orc priest
                  | (13 damage)
159638 | Zig:19   | Identified the +3 halberd "Ultimatum" {spect, rElec rN+
                  | Will- rCorr}
159640 | Zig:19   | Identified the +7 rapier "Monurad" {protect, rPois rF+
                  | Will+ Int-3}
159648 | Zig:19   | Identified the +7 great mace "Lyraritt" {flame, Int+2}
159654 | Zig:20   | Entered Level 20 of a ziggurat
159674 | Zig:20   | Found the ring of the Tortoise {AC+8}
159675 | Zig:20   | Found the +3 crown of Dyrovepreva {rElec Int+2 SInv}
159932 | Zig:20   | Identified the +3 leather armour of Watchfulness {rN+}
159936 | Zig:20   | Identified the ring "Rikh" {rElec rF+ MP+9 Dex+3}
159944 | Zig:20   | Identified the staff of cold "Aczokote" {rPois rC+ Will++
                  | Dex-2}
159950 | Zig:20   | Identified the +0 leather armour of Broken Taboos {rElec
                  | rPois rN+ Regen+}
159969 | Zig:21   | Entered Level 21 of a ziggurat
159993 | Zig:21   | Found the necklace of Bloodlust {Fury *Rage Will++ Int-3
                  | Slay+6}
160327 | Zig:21   | Identified the ring "Fuw Roowkang" {Ice rPois}
160336 | Zig:21   | Identified the staff of poison "Demeh" {Fragile rElec rPois
                  | rCorr}
160398 | Zig:22   | Entered Level 22 of a ziggurat
160414 | Zig:22   | Noticed a juggernaut
160414 | Zig:22   | Noticed a juggernaut
160415 | Zig:22   | Noticed a juggernaut
160417 | Zig:22   | Paralysed by a floating eye for 3 turns
160419 | Zig:22   | Noticed a juggernaut
160421 | Zig:22   | Noticed a juggernaut
160421 | Zig:22   | Noticed a juggernaut
160421 | Zig:22   | Noticed a juggernaut
160421 | Zig:22   | Noticed a juggernaut
160421 | Zig:22   | Noticed a juggernaut
160421 | Zig:22   | Noticed a juggernaut
160422 | Zig:22   | Noticed a juggernaut
160425 | Zig:22   | Killed a juggernaut
160427 | Zig:22   | Killed a juggernaut
160427 | Zig:22   | Paralysed by a floating eye for 3 turns
160430 | Zig:22   | Mangled by an iron giant
                  | ... wielding a +0 giant club
                  | (27 damage)
                  | ... while paralysed by a floating eye
160431 | Zig:22   | Killed a juggernaut
160432 | Zig:22   | Killed a juggernaut
160434 | Zig:22   | Killed a juggernaut
160434 | Zig:22   | Killed a juggernaut
160434 | Zig:22   | Killed a juggernaut
160434 | Zig:22   | Killed a juggernaut
160435 | Zig:22   | Reached skill level 27 in Ice Magic
160435 | Zig:22   | Killed a juggernaut
160436 | Zig:22   | Killed a juggernaut
160436 | Zig:22   | HP: 6/218 [titan (14)]
160437 | Zig:22   | Killed a juggernaut
160437 | Zig:22   | Killed by the air
                  | ... invoked by a titan
                  | (10 damage)
160440 | Zig:22   | Paralysed by a floating eye for 4 turns
160447 | Zig:22   | Mangled by an iron giant
                  | ... wielding a +0 giant spiked club
                  | (42 damage)
160451 | Zig:22   | Paralysed by a floating eye for 3 turns
160827 | Zig:22   | Identified the +9 mace of Triumph {freeze, rN+ Will+ Int+3
                  | Stlth+}
160841 | Zig:22   | Identified the +1 scimitar "Miep" {pain, Will+ Str+2 Int+3
                  | Stlth+}
160869 | Zig:23   | Entered Level 23 of a ziggurat
160908 | Zig:23   | HP: 6/218 [white draconian stormcaller/divine providence
                  | (11)]
160909 | Zig:23   | Killed by divine providence
                  | ... invoked by a white draconian stormcaller
                  | (17 damage)
160916 | Zig:23   | Reached skill level 27 in Necromancy
160916 | Zig:23   | Reached skill level 1 in Summonings
160916 | Zig:23   | Reached skill level 1 in Transmutations
161323 | Zig:23   | Identified the +5 rapier "String" {heavy, Contam Will++
                  | Dex+3}
161325 | Zig:23   | Identified the +1 war axe "Wenitzuta" {heavy, rCorr MP+9
                  | Str+2}
161327 | Zig:23   | Identified the +8 rapier "Faneis" {holy, *Corrode Int+5}
161338 | Zig:23   | Identified the +3 leather armour of Odoewug {rPois rF+
                  | rCorr Str-5}
161339 | Zig:23   | Identified the ring of Tibot {rPois MP-9 AC+4 Str+2 Dex+8}
161342 | Zig:23   | Identified the +9 short sword "Ogrebane" {vamp, Str+2
                  | Dex+3}
161343 | Zig:23   | Identified the +5 falchion of the Enchanting Gods {flame,
                  | rF- Will+++ Str+3 Dex+4}
161392 | Zig:23   | Identified the +6 scimitar of Wu Jian's Outrage {vamp,
                  | Str+5 Int+6}
161424 | Zig:24   | Entered Level 24 of a ziggurat
161457 | Zig:24   | Reached skill level 10 in Summonings
161474 | Zig:24   | Reached skill level 10 in Transmutations
161479 | Zig:24   | HP: 10/218 [tentacled monstrosity (5)]
161483 | Zig:24   | Engulfed by a cloud of spectral mist (11 damage)
161662 | Zig:24   | Identified the staff of fire "Juism" {rF+ Str+3}
161666 | Zig:24   | Identified the +2 plate armour of Xom's Hope {Harm Str+4
                  | Dex-3 Slay+3}
161669 | Zig:24   | Identified the staff of poison "Mynyam" {rElec rPois rCorr
                  | Str+6}
161690 | Zig:25   | Entered Level 25 of a ziggurat
161751 | Zig:25   | Lost mutation: You do not regenerate when monsters are
                  | visible. [a shining eye]
161757 | Zig:25   | Paralysed by a floating eye for 2 turns
161765 | Zig:25   | Paralysed by a floating eye for 2 turns
161770 | Zig:25   | Reached skill level 15 in Summonings
161786 | Zig:25   | Found the +3 Elemental Staff {rElec rF+ rC+ AC+3}
161961 | Zig:25   | Identified the +5 broad axe "Urue" {freeze, rPois Str+2}
162055 | Zig:25   | Identified the +9 chain mail of Unom {+Inv Int+5 Dex-4}
162066 | Zig:25   | Identified the amulet "Qane" {Faith rElec}
162068 | Zig:25   | Identified the +3 short sword of Gehenna {pain, Dex+3}
162082 | Zig:25   | Identified the +2 pair of gloves of Entitlement {Harm Int+4
                  | Dex+3 Stlth+}
162139 | Zig:26   | Entered Level 26 of a ziggurat
162159 | Zig:26   | Noticed a dread lich
162166 | Zig:26   | Killed a dread lich
162173 | Zig:26   | HP: 3/218 [Ice Fiend/bolt of cold (32)]
162173 | Zig:26   | Killed from afar by an Ice Fiend (16 damage)
                  | ... with a bolt of cold
162182 | Zig:26   | Killed from afar by an Ice Fiend (19 damage)
                  | ... with a bolt of cold
162186 | Zig:26   | HP: 4/218 [nargun (58)]
162186 | Zig:26   | Killed from afar by an Ice Fiend (52 damage)
                  | ... with a bolt of cold
162192 | Zig:26   | HP: 10/218 [Ice Fiend/bolt of cold (18)]
162192 | Zig:26   | Killed from afar by an Ice Fiend (18 damage)
                  | ... with a bolt of cold
162196 | Zig:26   | Killed from afar by an Ice Fiend (16 damage)
                  | ... with a bolt of cold
162202 | Zig:26   | HP: 6/218 [nargun (14)]
162203 | Zig:26   | Slain by a wendigo (11 damage)
162208 | Zig:26   | Killed from afar by an Ice Fiend (39 damage)
                  | ... with a bolt of cold
162213 | Zig:26   | HP: 10/218 [??? (1)]
162215 | Zig:26   | HP: 3/218 [wendigo (8)]
162215 | Zig:26   | Annihilated by a wendigo (41 damage)
162852 | Zig:26   | Identified the +4 quarterstaff of Byir Vos {elec, Str+4}
162855 | Zig:26   | Identified the +2 leather armour "Wisisige" {+Blink Will-
                  | Int+2}
162856 | Zig:26   | Identified the +1 chain mail "Ushiptyo" {Harm rElec rF-
                  | Dex+3}
162866 | Zig:26   | Identified the ring of the Saviour {Wiz Will+}
162867 | Zig:26   | Identified the ring "Ydiyxt" {Ice *Corrode Str+3}
162871 | Zig:26   | Identified the +10 shortbow of the Fox {freeze, Int+2}
162876 | Zig:26   | Identified the staff of fire "Lesia" {rF+ rCorr MP-9 Dex-2
                  | SInv}
162932 | Zig:27   | Entered Level 27 of a ziggurat
162957 | Zig:27   | Reached skill level 15 in Transmutations
162978 | Zig:27   | Mangled by a caustic shrike (27 damage)
163009 | Zig:27   | Found the +3 pair of seven-league boots {Rampage+∞}
163258 | Zig:27   | Identified the ring "Soquesch" {Fly rCorr Int+4 Dex-3}
163262 | Zig:27   | Identified the staff of earth "Tiygh" {rN+ Str+3 Int+4}
163267 | Zig:27   | Identified the +8 morningstar of the Enfolding Weasel
                  | {venom, MP+9}
163273 | Zig:27   | Identified the +0 battleaxe "Duckitig" {speed, rElec rPois
                  | rC+ Will+}
163274 | Zig:27   | Identified the +7 great sword of the Spectre {antimagic,
                  | Contam rF+++ rN++ rCorr}
163275 | Zig:27   | Identified the staff of conjuration "Qoopes" {rC+ Int+2
                  | Dex-3}
163278 | Zig:27   | Identified the +0 scale mail of Paranoia {Stlth+}
163326 | Zig:1    | Entered Level 1 of a ziggurat
163341 | Zig:2    | Entered Level 2 of a ziggurat
163403 | Zig:3    | Entered Level 3 of a ziggurat
163503 | Zig:4    | Entered Level 4 of a ziggurat
163702 | Zig:5    | Entered Level 5 of a ziggurat
163860 | Zig:6    | Entered Level 6 of a ziggurat
163863 | Zig:6    | Noticed Rijifoty the pandemonium lord
163880 | Zig:6    | Killed Rijifoty the pandemonium lord
164174 | Zig:7    | Entered Level 7 of a ziggurat
164650 | Zig:7    | Identified the amulet of Viyddyes {Reflect rCorr Int+2
                  | SH+5}
164660 | Zig:8    | Entered Level 8 of a ziggurat
164667 | Zig:8    | Noticed a dread lich
164667 | Zig:8    | Noticed a dread lich
164667 | Zig:8    | Noticed a dread lich
164671 | Zig:8    | Killed a dread lich
164680 | Zig:8    | Killed a dread lich
164682 | Zig:8    | Killed a dread lich
164738 | Zig:8    | Identified the +0 plate armour "Mutumaq" {rC- MP+9 Str+2}
164739 | Zig:8    | Identified the +9 mace "Rixaciesk" {elec, rF+ Will+}
164748 | Zig:8    | Identified the ring of the Sun {+Blink SInv}
164754 | Zig:9    | Entered Level 9 of a ziggurat
164888 | Zig:9    | Identified the +10 spear of Dithmenos's Fury {flame, Int+3}
164890 | Zig:9    | Identified the +0 scale mail of the Crafting Gods {rC- rN+
                  | Int+2}
164892 | Zig:10   | Entered Level 10 of a ziggurat
164900 | Zig:10   | Noticed a dread lich
164901 | Zig:10   | Noticed a dread lich
164908 | Zig:10   | Killed a dread lich
164909 | Zig:10   | Killed a dread lich
165141 | Zig:11   | Entered Level 11 of a ziggurat
165152 | Zig:11   | Noticed Ulat the pandemonium lord
165152 | Zig:11   | Found the +8 lance "Wyrmbane" {slay drac, rPois rF+ rC+
                  | AC+3}
165160 | Zig:11   | Killed Ulat the pandemonium lord
165171 | Zig:11   | HP: 8/218 [balrug/divine providence (15)]
165173 | Zig:11   | Killed from afar by an Ice Fiend (8 damage)
                  | ... with a bolt of cold
165210 | Zig:11   | Slain by a war gargoyle
                  | ... wielding a +0 dire flail of venom
                  | ... summoned by a demonspawn corrupter
                  | (20 damage)
165286 | Zig:11   | Identified the ring "Lorr" {rPois rF+ rCorr Dex+4 SInv}
165367 | Zig:11   | Identified the staff of fire "Quila" {rF+ rC++ Int+2 Dex-2}
165371 | Zig:11   | Identified the staff of death "Urcheigi" {rN+ Str+4}
165375 | Zig:12   | Entered Level 12 of a ziggurat
165382 | Zig:12   | Noticed a royal mummy
165382 | Zig:12   | Noticed a royal mummy
165382 | Zig:12   | Noticed a royal mummy
165382 | Zig:12   | Noticed a royal mummy
165382 | Zig:12   | Noticed a royal mummy
165383 | Zig:12   | Noticed a royal mummy
165383 | Zig:12   | Noticed a royal mummy
165383 | Zig:12   | Noticed a royal mummy
165388 | Zig:12   | Noticed a royal mummy
165395 | Zig:12   | Killed a royal mummy
165397 | Zig:12   | HP: 2/217 [royal mummy (17)]
165397 | Zig:12   | Noticed a royal mummy
165397 | Zig:12   | Killed by divine providence
                  | ... invoked by a royal mummy
                  | (11 damage)
165403 | Zig:12   | Killed a royal mummy
165406 | Zig:12   | Killed a royal mummy
165409 | Zig:12   | Killed a royal mummy
165409 | Zig:12   | HP: 9/218 [mummy priest/divine providence (8)]
165410 | Zig:12   | Killed a royal mummy
165410 | Zig:12   | Killed a royal mummy
165411 | Zig:12   | Killed a royal mummy
165411 | Zig:12   | Killed by a royal mummy's death curse (13 damage)
165412 | Zig:12   | Killed a royal mummy
165413 | Zig:12   | Killed a royal mummy
165421 | Zig:12   | Killed a royal mummy
165531 | Zig:12   | Identified the staff of cold "Pyisif" {*Corrode rF+ rC+
                  | Dex+2 SInv}
165537 | Zig:12   | Identified the ring "Cixtiyta" {+Blink Int+2 Dex+6 Stlth+}
165540 | Zig:12   | Identified the +10 scimitar "Xausy" {flame, Str+4}
165547 | Zig:12   | Identified the +1 pair of gloves "Eme Abb" {rN+ rCorr
                  | Dex+3}
165548 | Zig:12   | Identified the +8 spear of Poakuen {drain, Dex+3 Stlth+}
165549 | Zig:12   | Identified the +7 short sword of Ushimp {flame, Drain rN++
                  | Stlth+}
165769 | Zig:13   | Entered Level 13 of a ziggurat
165780 | Zig:13   | Noticed Zael the pandemonium lord
165780 | Zig:13   | Noticed Dollil the pandemonium lord
165781 | Zig:13   | Noticed Peahax the pandemonium lord
165781 | Zig:13   | Noticed Zeren the pandemonium lord
165781 | Zig:13   | Noticed Jecratet the pandemonium lord
165781 | Zig:13   | Noticed Jyssietopn the pandemonium lord
165781 | Zig:13   | Found the +12 glaive of Prune {freeze, Prune}
165781 | Zig:13   | Noticed Posoriaf the pandemonium lord
165781 | Zig:13   | Noticed Kiutich the pandemonium lord
165782 | Zig:13   | Noticed Atzin the pandemonium lord
165782 | Zig:13   | Noticed Zasmyir the pandemonium lord
165784 | Zig:13   | Found the +5 Lochaber axe {reach-cleave, Poleaxe Drain}
165802 | Zig:13   | Killed Dollil the pandemonium lord
165807 | Zig:13   | Killed Jyssietopn the pandemonium lord
165811 | Zig:13   | Killed Peahax the pandemonium lord
165814 | Zig:13   | Killed from afar by Zasmyir the pandemonium lord (47
                  | damage)
                  | ... with a bolt of cold
165816 | Zig:13   | Killed Zeren the pandemonium lord
165823 | Zig:13   | Killed Zael the pandemonium lord
165828 | Zig:13   | Killed Posoriaf the pandemonium lord
165835 | Zig:13   | Killed Kiutich the pandemonium lord
165838 | Zig:13   | Killed Zasmyir the pandemonium lord
165843 | Zig:13   | Killed Atzin the pandemonium lord
165851 | Zig:13   | Killed Jecratet the pandemonium lord
166161 | Zig:13   | Identified the +2 robe of the Gusle {Contam rElec Str+3}
166169 | Zig:13   | Identified the staff of poison "Roll" {rPois Dex+2}
166177 | Zig:13   | Identified the +5 broad axe "Etsuyq" {heavy, Int+3 Dex+3
                  | Stlth-}
166206 | Zig:14   | Entered Level 14 of a ziggurat
166214 | Zig:14   | Noticed a dread lich
166216 | Zig:14   | Noticed a dread lich
166222 | Zig:14   | Noticed a dread lich
166224 | Zig:14   | Killed a dread lich
166226 | Zig:14   | Killed a dread lich
166227 | Zig:14   | Noticed a dread lich
166228 | Zig:14   | Noticed an ancient lich
166240 | Zig:14   | Killed a dread lich
166245 | Zig:14   | Killed a dread lich
166249 | Zig:14   | Killed an ancient lich
166435 | Zig:14   | Identified the amulet "Razo" {Spirit Fly rN+ Int+2}
166443 | Zig:14   | Identified the +12 long sword "Semmuawk" {freeze, rN++
                  | Str+3}
166444 | Zig:14   | Identified the +7 chain mail "Faralur" {Harm rPois}
166449 | Zig:14   | Identified the +11 war axe "Deurchoh" {elec, rN+ Will+}
166454 | Zig:15   | Entered Level 15 of a ziggurat
166464 | Zig:15   | Paralysed by accursed screaming for 1 turns
166489 | Zig:15   | Paralysed by accursed screaming for 2 turns
166496 | Zig:15   | Killed from afar by a starcursed mass (45 damage)
                  | ... with an accursed screaming
166496 | Zig:15   | Paralysed by accursed screaming for 2 turns
166504 | Zig:15   | Paralysed by accursed screaming for 2 turns
166512 | Zig:15   | Paralysed by accursed screaming for 2 turns
166538 | Zig:15   | Gained mutation: You are dopey. (Int -2) [a neqoxec]
166543 | Zig:15   | HP: 5/218 [starcursed mass/accursed screaming (10)]
166544 | Zig:15   | Killed from afar by a starcursed mass (7 damage)
                  | ... with an accursed screaming
166593 | Zig:15   | Identified the staff of conjuration "Plog" {*Corrode Str+8
                  | Dex+4}
166602 | Zig:15   | Identified the amulet "Inoc" {Acrobat Int+4}
166603 | Zig:15   | Identified the +6 trident of Dullness {flame, rF++}
166611 | Zig:15   | Identified the +4 giant club "Ogrebane" {vamp, rElec rC-
                  | Dex+2}
166630 | Zig:16   | Entered Level 16 of a ziggurat
166636 | Zig:16   | Noticed a royal mummy
166638 | Zig:16   | Noticed a royal mummy
166638 | Zig:16   | Noticed a royal mummy
166638 | Zig:16   | Noticed a royal mummy
166638 | Zig:16   | Noticed a royal mummy
166639 | Zig:16   | Noticed a royal mummy
166639 | Zig:16   | Noticed a royal mummy
166639 | Zig:16   | Noticed a royal mummy
166640 | Zig:16   | Noticed a royal mummy
166644 | Zig:16   | Noticed a royal mummy
166647 | Zig:16   | Noticed a royal mummy
166649 | Zig:16   | HP: 6/213 [death scarab[a royal mummy] (10)]
166650 | Zig:16   | Killed by divine providence
                  | ... invoked by a mummy priest
                  | (12 damage)
166655 | Zig:16   | Killed a royal mummy
166656 | Zig:16   | Killed by divine providence
                  | ... invoked by a royal mummy
                  | (14 damage)
166657 | Zig:16   | Noticed a royal mummy
166657 | Zig:16   | Noticed a royal mummy
166658 | Zig:16   | Noticed a royal mummy
166664 | Zig:16   | HP: 1/217 [royal mummy/divine providence (13)]
166666 | Zig:16   | Slain by a death scarab (3 damage)
                  | ... summoned by a royal mummy
166669 | Zig:16   | HP: 8/218 [royal mummy/divine providence (13)]
166669 | Zig:16   | Killed by divine providence
                  | ... invoked by a royal mummy
                  | (15 damage)
166676 | Zig:16   | Noticed a royal mummy
166678 | Zig:16   | HP: 2/218 [royal mummy/divine providence (13)]
166679 | Zig:16   | Killed by divine providence
                  | ... invoked by a mummy priest
                  | (12 damage)
166682 | Zig:16   | Killed a royal mummy
166687 | Zig:16   | HP: 3/218 [ushabti (10)]
166688 | Zig:16   | Killed by divine providence
                  | ... invoked by a royal mummy
                  | (14 damage)
166691 | Zig:16   | Killed a royal mummy
166692 | Zig:16   | Killed a royal mummy
166692 | Zig:16   | Noticed a royal mummy
166694 | Zig:16   | Killed by divine providence
                  | ... invoked by a royal mummy
                  | (12 damage)
166695 | Zig:16   | Killed a royal mummy
166698 | Zig:16   | Killed a royal mummy
166700 | Zig:16   | Killed a royal mummy
166700 | Zig:16   | Noticed a royal mummy
166708 | Zig:16   | Killed a royal mummy
166708 | Zig:16   | Killed by a royal mummy's death curse (22 damage)
166719 | Zig:16   | Killed a royal mummy
166721 | Zig:16   | HP: 1/218 [mummy priest/divine providence (12)]
166722 | Zig:16   | Killed by divine providence
                  | ... invoked by a royal mummy
                  | (14 damage)
166733 | Zig:16   | HP: 3/218 [something (14)]
166733 | Zig:16   | Slain by a jiangshi (5 damage)
                  | ... summoned by a mummy priest
166736 | Zig:16   | Killed a royal mummy
166746 | Zig:16   | HP: 8/201 [royal mummy/divine providence (12)]
166747 | Zig:16   | Killed by divine providence
                  | ... invoked by a royal mummy
                  | (17 damage)
166753 | Zig:16   | Killed a royal mummy
166754 | Zig:16   | Killed a royal mummy
166759 | Zig:16   | HP: 1/211 [royal mummy/divine providence (10)]
166759 | Zig:16   | Mangled by an emperor scorpion (13 damage)
                  | ... summoned by a royal mummy
166775 | Zig:16   | HP: 9/211 [royal mummy/divine providence (10)]
166778 | Zig:16   | Killed a royal mummy
166778 | Zig:16   | Killed by a royal mummy's death curse (13 damage)
166785 | Zig:16   | Killed a royal mummy
166785 | Zig:16   | Killed a royal mummy
166790 | Zig:16   | Killed a royal mummy
166791 | Zig:16   | Killed a royal mummy
167373 | Zig:16   | Identified the +2 robe of Henotheism {Str+5}
167375 | Zig:16   | Identified the ring "Husyceafa" {Int+3 Dex+2 Slay+4}
167386 | Zig:17   | Entered Level 17 of a ziggurat
167701 | Zig:17   | Identified the +1 leather armour of the Ladybird {Fly rPois
                  | rF++ MP-9}
167712 | Zig:17   | Identified the +8 plate armour of Korphyul {Will- Dex+6}
167713 | Zig:17   | Identified the ring of Miabeob {Contam Fly rC+ rN++}
167716 | Zig:17   | Identified the +0 morningstar of Capital Punishment {holy,
                  | Will+ Str+4}
167729 | Zig:17   | Identified the +0 plate armour of Fun {+Inv Int+3}
167735 | Zig:17   | Identified the ring of Got Keo {rN+ Dex+2}
167753 | Zig:18   | Entered Level 18 of a ziggurat
167766 | Zig:18   | Found the +3 greatsling "Punk" {acid, rCorr}
167775 | Zig:18   | HP: 8/218 [searing wretch (13)]
167776 | Zig:18   | Mangled by a searing wretch (14 damage)
167788 | Zig:18   | HP: 7/218 [hellephant (13)]
167789 | Zig:18   | Killed by divine providence
                  | ... invoked by a balrug
                  | (12 damage)
167795 | Zig:18   | HP: 7/218 [searing wretch (6)]
167795 | Zig:18   | Mangled by a searing wretch (14 damage)
167815 | Zig:18   | HP: 7/218 [searing wretch (7)]
167815 | Zig:18   | Mangled by a searing wretch (16 damage)
168055 | Zig:18   | Identified the +9 halberd of Crawling {flame, rPois rN+
                  | Dex+4}
168056 | Zig:18   | Identified the orb of the Twelve Runes {mayhem, rElec rC-
                  | rCorr}
168058 | Zig:18   | Identified the amulet "Ynkig" {RegenMP Str+3}
168064 | Zig:18   | Identified the ring of Tywk {Fire Dex+3}
168091 | Zig:19   | Entered Level 19 of a ziggurat
168105 | Zig:19   | Reached skill level 27 in Summonings
168108 | Zig:19   | Found the +10 zealot's sword {holy, Zealotry, *Rage rN+
                  | EV+3}
168109 | Zig:19   | Paralysed by an air elemental for 1 turns
168130 | Zig:19   | Lost intelligence.
168132 | Abyss:5  | Cast into level 5 of the Abyss (+4 broad axe of distortion)
168147 | Abyss:5  | HP: 9/218 [starcursed mass/accursed screaming (8)]
168148 | Abyss:5  | HP: 4/218 [cacodemon (6)]
168150 | Abyss:5  | Killed from afar by a starcursed mass (10 damage)
                  | ... with an accursed screaming
168231 | Zig:19   | Escaped the Abyss
168233 | Zig:19   | Paralysed by an air elemental for 1 turns
168244 | Zig:19   | Paralysed by an air elemental for 1 turns
168509 | Zig:19   | Identified the +5 flail "Xoojehif" {venom, rElec rN+}
168514 | Zig:19   | Identified the staff of conjuration "Vottix" {rN+ Int+4
                  | Dex+3}
168521 | Zig:19   | Identified the staff of fire "Fyenesae" {+Blink rF+ Will++
                  | Dex+2}
168531 | Zig:19   | Identified the +4 triple sword "Gargoyle's Regret" {pain,
                  | *Rage rPois rC+ Str+3}
168610 | Zig:20   | Entered Level 20 of a ziggurat
168625 | Zig:20   | Noticed MrSquiggles's ghost (legendary MiFi)
168625 | Zig:20   | Noticed stevelinton's ghost (legendary KoBe)
168625 | Zig:20   | Noticed runemage's ghost (legendary GnFi)
168625 | Zig:20   | Noticed scarywalker64's ghost (legendary GrEE)
168625 | Zig:20   | Noticed Zoplarin's ghost (legendary BaSk)
168625 | Zig:20   | Noticed Totuz's ghost (legendary HOFi)
168625 | Zig:20   | Noticed Qupubruts's ghost (master HOFi)
168625 | Zig:20   | Noticed Motirgh's ghost (legendary DgHW)
168625 | Zig:20   | Noticed grandjackal's ghost (legendary DsGl)
168625 | Zig:20   | Noticed Xuqyot's ghost (legendary DsFi)
168625 | Zig:20   | Noticed Heartburn's ghost (veteran MiFi)
168625 | Zig:20   | Noticed Hewasun's ghost (legendary MiBe)
168625 | Zig:20   | Noticed Talannal's ghost (legendary GnHW)
168625 | Zig:20   | Noticed Viugiw's ghost (legendary TeBe)
168625 | Zig:20   | Noticed Xatwola's ghost (legendary DDFi)
168625 | Zig:20   | Noticed tigertrap's ghost (legendary DgHW)
168625 | Zig:20   | Noticed Dittersdorf's ghost (legendary MiBe)
168626 | Zig:20   | Noticed Alysiarr's ghost (legendary KoHu)
168626 | Zig:20   | Noticed Wammos's ghost (legendary TeCj)
168626 | Zig:20   | Noticed scionoferis's ghost (legendary VSBr)
168626 | Zig:20   | Noticed ytrimaz's ghost (legendary FoFi)
168632 | Zig:20   | Noticed Totuz's ghost (legendary HOFi)
168636 | Zig:20   | Killed stevelinton's ghost
168636 | Zig:20   | Noticed xzight's ghost (legendary MiBe)
168639 | Zig:20   | Killed Motirgh's ghost
168642 | Zig:20   | Killed Totuz's ghost
168645 | Zig:20   | Killed runemage's ghost
168667 | Zig:20   | Mangled by Hewasun's ghost (24 damage)
168669 | Zig:20   | Killed Xuqyot's ghost
168669 | Zig:20   | Killed Qupubruts's ghost
168669 | Zig:20   | Killed Dittersdorf's ghost
168671 | Zig:20   | Killed Viugiw's ghost
168673 | Zig:20   | Killed Hewasun's ghost
168675 | Zig:20   | Killed Xatwola's ghost
168675 | Zig:20   | Killed Wammos's ghost
168677 | Zig:20   | Killed grandjackal's ghost
168679 | Zig:20   | Killed tigertrap's ghost
168682 | Zig:20   | Killed xzight's ghost
168697 | Zig:20   | Killed MrSquiggles's ghost
168722 | Zig:20   | Killed Totuz's ghost
168732 | Zig:20   | Killed Talannal's ghost
168742 | Zig:20   | Killed Heartburn's ghost
168752 | Zig:20   | Killed scarywalker64's ghost
168759 | Zig:20   | Reached skill level 27 in Transmutations
168785 | Zig:20   | Killed ytrimaz's ghost
168786 | Zig:20   | Reached skill level 1 in Throwing
168797 | Zig:20   | Killed Alysiarr's ghost
168858 | Zig:20   | Killed Zoplarin's ghost
168879 | Zig:20   | Killed scionoferis's ghost
169250 | Zig:20   | Identified the staff of fire "Toyfymah" {rF+ rCorr Int+2}
169251 | Zig:20   | Identified the +8 rapier of Articulation {freeze, rC+}
169260 | Zig:20   | Identified the staff of conjuration "Goxoinga" {Contam
                  | Will+ Int+3 Stlth+}
169285 | Zig:21   | Entered Level 21 of a ziggurat
169293 | Zig:21   | Noticed a royal mummy
169295 | Zig:21   | Noticed a royal mummy
169295 | Zig:21   | Noticed a royal mummy
169295 | Zig:21   | Noticed a royal mummy
169295 | Zig:21   | Noticed a royal mummy
169296 | Zig:21   | Noticed a royal mummy
169301 | Zig:21   | Noticed a royal mummy
169302 | Zig:21   | Reached skill level 1 in Staves
169305 | Zig:21   | Reached skill level 1 in Polearms
169306 | Zig:21   | HP: 6/210 [something (13)]
169306 | Zig:21   | Noticed a royal mummy
169307 | Zig:21   | Noticed a royal mummy
169307 | Zig:21   | Noticed a royal mummy
169308 | Zig:21   | Noticed a royal mummy
169309 | Zig:21   | Noticed a royal mummy
169309 | Zig:21   | Noticed a royal mummy
169309 | Zig:21   | Noticed a royal mummy
169309 | Zig:21   | Noticed a royal mummy
169310 | Zig:21   | Killed a royal mummy
169310 | Zig:21   | Killed a royal mummy
169310 | Zig:21   | Killed by divine providence
                  | ... invoked by a royal mummy
                  | (16 damage)
169311 | Zig:21   | Reached skill level 5 in Staves
169311 | Zig:21   | Noticed a royal mummy
169311 | Zig:21   | Noticed a royal mummy
169312 | Zig:21   | Killed a royal mummy
169313 | Zig:21   | Reached skill level 5 in Polearms
169313 | Zig:21   | Noticed a royal mummy
169317 | Zig:21   | Noticed a royal mummy
169317 | Zig:21   | Killed a royal mummy
169317 | Zig:21   | HP: 1/218 [something (12)]
169318 | Zig:21   | Mangled by a death scarab (8 damage)
                  | ... summoned by a royal mummy
169319 | Zig:21   | Noticed a royal mummy
169319 | Zig:21   | Noticed a royal mummy
169322 | Zig:21   | Noticed a royal mummy
169323 | Zig:21   | HP: 6/218 [royal mummy/divine providence (10)]
169324 | Zig:21   | Killed by divine providence
                  | ... invoked by a royal mummy
                  | (7 damage)
169328 | Zig:21   | HP: 10/218 [death scarab[a royal mummy] (17)]
169330 | Zig:21   | Killed by divine providence
                  | ... invoked by a royal mummy
                  | (13 damage)
169331 | Zig:21   | Killed a royal mummy
169332 | Zig:21   | Killed a royal mummy
169333 | Zig:21   | Killed a royal mummy
169333 | Zig:21   | HP: 9/218 [royal mummy/divine providence (8)]
169334 | Zig:21   | Killed by divine providence
                  | ... invoked by a royal mummy
                  | (14 damage)
169335 | Zig:21   | Killed a royal mummy
169337 | Zig:21   | Noticed a royal mummy
169340 | Zig:21   | HP: 2/218 [death scarab[a royal mummy] (9)]
169341 | Zig:21   | Killed by divine providence
                  | ... invoked by a royal mummy
                  | (14 damage)
169346 | Zig:21   | Killed a royal mummy
169348 | Zig:21   | Killed a royal mummy
169350 | Zig:21   | Noticed a royal mummy
169350 | Zig:21   | HP: 10/218 [royal mummy/divine providence (15)]
169351 | Zig:21   | Killed by divine providence
                  | ... invoked by a royal mummy
                  | (13 damage)
169352 | Zig:21   | Killed a royal mummy
169352 | Zig:21   | Killed a royal mummy
169352 | Zig:21   | Killed a royal mummy
169352 | Zig:21   | Killed a royal mummy
169352 | Zig:21   | Killed a royal mummy
169353 | Zig:21   | Reached skill level 10 in Staves
169356 | Zig:21   | Noticed a royal mummy
169357 | Zig:21   | Noticed a royal mummy
169358 | Zig:21   | HP: 10/218 [??? (1)]
169358 | Zig:21   | Noticed a royal mummy
169358 | Zig:21   | HP: 3/218 [mummy priest/divine providence (7)]
169359 | Zig:21   | Killed by divine providence
                  | ... invoked by a mummy priest
                  | (12 damage)
169361 | Zig:21   | Noticed a royal mummy
169366 | Zig:21   | Killed a royal mummy
169369 | Zig:21   | HP: 1/218 [death scarab[a royal mummy] (13)]
169370 | Zig:21   | Killed by divine providence
                  | ... invoked by a royal mummy
                  | (12 damage)
169372 | Zig:21   | Killed a royal mummy
169373 | Zig:21   | Reached skill level 10 in Polearms
169381 | Zig:21   | Killed a royal mummy
169383 | Zig:21   | HP: 10/218 [royal mummy/divine providence (16)]
169383 | Zig:21   | Killed by divine providence
                  | ... invoked by a royal mummy
                  | (12 damage)
169390 | Zig:21   | Killed a royal mummy
169393 | Zig:21   | HP: 10/218 [??? (1)]
169396 | Zig:21   | Killed by divine providence
                  | ... invoked by a royal mummy
                  | (13 damage)
169404 | Zig:21   | Killed a royal mummy
169404 | Zig:21   | HP: 9/188 [something (6)]
169404 | Zig:21   | HP: 4/188 [something (5)]
169404 | Zig:21   | Killed by a guardian mummy's death curse (11 damage)
169407 | Zig:21   | Killed a royal mummy
169408 | Zig:21   | Killed a royal mummy
169409 | Zig:21   | Killed a royal mummy
169410 | Zig:21   | Killed a royal mummy
169410 | Zig:21   | Killed a royal mummy
169413 | Zig:21   | Killed a royal mummy
169420 | Zig:21   | HP: 10/218 [royal mummy/divine providence (12)]
169423 | Zig:21   | Killed a royal mummy
169426 | Zig:21   | Killed a royal mummy
169426 | Zig:21   | HP: 2/218 [something (11)]
170237 | Zig:21   | Identified the +3 short sword of Prescription {spect,
                  | Int+2}
170246 | Zig:21   | Identified the ring "Guloicuo" {rC++ MP+9}
170247 | Zig:21   | Identified the staff of air "Moyrchec" {rElec rF+ rC+
                  | Dex-4}
170254 | Zig:22   | Entered Level 22 of a ziggurat
170283 | Zig:22   | Reached skill level 15 in Staves
170308 | Zig:22   | Reached skill level 15 in Polearms
170312 | Zig:22   | Mangled by a nagaraja
                  | ... wielding a +0 flail
                  | (22 damage)
170442 | Zig:22   | Found the macabre finger necklace {Finger+ rN+}
170460 | Zig:22   | Identified the +0 ring mail "Vit Zuni" {rC+}
170477 | Zig:22   | Identified the +4 hand axe "Fiaskiz" {flame, Will+}
170492 | Zig:22   | Identified the +5 spear of Jonnean {speed, rCorr Int+3}
170498 | Zig:22   | Identified the amulet of Jimagaco {Acrobat Rampage}
170517 | Zig:23   | Entered Level 23 of a ziggurat
170529 | Zig:23   | Noticed Velowar the pandemonium lord
170529 | Zig:23   | Noticed Fegacoir the pandemonium lord
170529 | Zig:23   | Noticed Vurghasyo the pandemonium lord
170530 | Zig:23   | Noticed Xymec the pandemonium lord
170530 | Zig:23   | Noticed Hoafok the pandemonium lord
170531 | Zig:23   | Noticed Fonkiez the pandemonium lord
170531 | Zig:23   | Noticed Ykafud the pandemonium lord
170531 | Zig:23   | Noticed Wyemycig the pandemonium lord
170531 | Zig:23   | Noticed Qouw the pandemonium lord
170534 | Zig:23   | Noticed Ededup the pandemonium lord
170534 | Zig:23   | Noticed Diokhibb the pandemonium lord
170534 | Zig:23   | Noticed Boxut the pandemonium lord
170535 | Zig:23   | Noticed Fiowunes the pandemonium lord
170535 | Zig:23   | Noticed Muros the pandemonium lord
170536 | Zig:23   | Noticed Teabeehu the pandemonium lord
170537 | Zig:23   | Noticed Gaqin the pandemonium lord
170537 | Zig:23   | Noticed Buamores the pandemonium lord
170537 | Zig:23   | Noticed Horuroaj the pandemonium lord
170537 | Zig:23   | Noticed Jillemm the pandemonium lord
170537 | Zig:23   | Noticed Hotomp the pandemonium lord
170537 | Zig:23   | Noticed Salioz the pandemonium lord
170537 | Zig:23   | Noticed Zagg the pandemonium lord
170539 | Zig:23   | Noticed Ugrysewk the pandemonium lord
170539 | Zig:23   | Noticed Xibeit the pandemonium lord
170540 | Zig:23   | Noticed Xippoc the pandemonium lord
170547 | Abyss:5  | Cast into level 5 of the Abyss (Muros)
170555 | Abyss:5  | Reached skill level 1 in Long Blades
170557 | Zig:23   | Escaped the Abyss
170562 | Zig:23   | Killed Buamores the pandemonium lord
170565 | Zig:23   | Killed Jillemm the pandemonium lord
170565 | Zig:23   | Killed Hotomp the pandemonium lord
170567 | Zig:23   | HP: 1/218 [Ykafud the pandemonium lord (10)]
170567 | Zig:23   | Noticed Luischon the pandemonium lord
170570 | Zig:23   | Killed Wyemycig the pandemonium lord
170570 | Zig:23   | Killed by an exploding ball lightning (13 damage)
170570 | Zig:23   | Killed Fiowunes the pandemonium lord
170576 | Zig:23   | Killed Ugrysewk the pandemonium lord
170582 | Zig:23   | Killed Salioz the pandemonium lord
170587 | Zig:23   | Killed Ykafud the pandemonium lord
170588 | Zig:23   | Killed Muros the pandemonium lord
170588 | Zig:23   | Noticed Tuwnimaovva the pandemonium lord
170590 | Zig:23   | Killed Boxut the pandemonium lord
170590 | Zig:23   | Killed Xymec the pandemonium lord
170598 | Zig:23   | Killed Xibeit the pandemonium lord
170600 | Zig:23   | Noticed Ysed the pandemonium lord
170601 | Zig:23   | Killed Velowar the pandemonium lord
170604 | Zig:23   | Noticed Abat Ima the pandemonium lord
170609 | Zig:23   | Killed Fonkiez the pandemonium lord
170613 | Zig:23   | Noticed Jucruas the pandemonium lord
170617 | Zig:23   | Killed Vurghasyo the pandemonium lord
170619 | Zig:23   | Killed Gaqin the pandemonium lord
170619 | Zig:23   | HP: 5/218 [blizzard demon/the air[Hoafok] (12)]
170620 | Zig:23   | Slain by Zagg the pandemonium lord (6 damage)
170622 | Zig:23   | Killed Diokhibb the pandemonium lord
170625 | Zig:23   | Paralysed by a floating eye for 3 turns
170634 | Zig:23   | Mangled by Teabeehu the pandemonium lord (22 damage)
170636 | Zig:23   | Killed Teabeehu the pandemonium lord
170638 | Zig:23   | Killed Zagg the pandemonium lord
170640 | Zig:23   | Killed Ededup the pandemonium lord
170644 | Zig:23   | Killed Abat Ima the pandemonium lord
170648 | Zig:23   | Killed Hoafok the pandemonium lord
170649 | Zig:23   | Killed Jucruas the pandemonium lord
170653 | Zig:23   | Killed Horuroaj the pandemonium lord
170658 | Zig:23   | Killed Tuwnimaovva the pandemonium lord
170661 | Zig:23   | Killed Xippoc the pandemonium lord
170662 | Zig:23   | Reached skill level 5 in Long Blades
170665 | Zig:23   | Killed Qouw the pandemonium lord
170668 | Zig:23   | Killed Fegacoir the pandemonium lord
170669 | Zig:23   | Paralysed by a floating eye for 2 turns
170677 | Zig:23   | HP: 1/218 [Ysed the pandemonium lord (24)]
170677 | Zig:23   | Annihilated by Ysed the pandemonium lord (25 damage)
170681 | Zig:23   | Paralysed by a floating eye for 3 turns
170689 | Zig:23   | Paralysed by a floating eye for 2 turns
170699 | Zig:23   | Killed Luischon the pandemonium lord
170702 | Zig:23   | Killed Ysed the pandemonium lord
170933 | Zig:23   | Found the +2 hat of the Bear Spirit {Spirit, Bear, *Rage
                  | Will++}
170948 | Zig:23   | Identified the +8 halberd of the Equinox {flame, rF+ Will++
                  | Dex-2}
170956 | Zig:23   | Identified the +7 hand axe "Qoss" {chaos, Drain Str+6
                  | Int+3}
170963 | Zig:23   | Identified the amulet of Disaster {Reflect Fly Slay+3 SH+5
                  | Stlth+}
171002 | Zig:24   | Entered Level 24 of a ziggurat
171015 | Zig:24   | Acquired 398 gold pieces
171026 | Zig:24   | Noticed a dread lich
171030 | Zig:24   | Noticed an ancient lich
171031 | Zig:24   | HP: 8/218 [balrug/divine providence (14)]
171032 | Zig:24   | Slain by a searing wretch (13 damage)
171033 | Zig:24   | Killed an ancient lich
171038 | Zig:24   | HP: 8/218 [balrug/divine providence (11)]
171038 | Zig:24   | Killed by divine providence
                  | ... invoked by a balrug
                  | (13 damage)
171043 | Zig:24   | Killed a dread lich
171047 | Zig:24   | HP: 1/218 [searing wretch (22)]
171047 | Zig:24   | Mangled by a searing wretch (10 damage)
171055 | Zig:24   | HP: 4/218 [balrug/divine providence (12)]
171055 | Zig:24   | Slain by a balrug
                  | ... wielding a +1 demon whip of draining
                  | (9 damage)
171061 | Zig:24   | Killed by divine providence
                  | ... invoked by a balrug
                  | (17 damage)
171069 | Zig:24   | HP: 10/218 [balrug/divine providence (10)]
171071 | Zig:24   | Slain by a searing wretch (10 damage)
171084 | Zig:24   | HP: 4/218 [balrug/divine providence (17)]
171086 | Zig:24   | Killed by divine providence
                  | ... invoked by a balrug
                  | (9 damage)
171096 | Zig:24   | HP: 9/218 [balrug/divine providence (11)]
171096 | Zig:24   | Slain by a searing wretch (12 damage)
171107 | Zig:24   | Slain by a searing wretch (13 damage)
171119 | Zig:24   | HP: 10/218 [searing wretch (14)]
171120 | Zig:24   | Killed by divine providence
                  | ... invoked by a balrug
                  | (16 damage)
171456 | Zig:24   | Identified the +7 dagger "Likosa" {pain, Dex+3}
171462 | Zig:24   | Identified the +4 lajatang of Profit {holy, *Corrode rElec
                  | rN++ Stlth+}
171463 | Zig:24   | Identified the amulet of Paxiwug {RegenMP Str+6 Dex-5}
171512 | Zig:25   | Entered Level 25 of a ziggurat
171541 | Zig:25   | HP: 10/218 [??? (1)]
171543 | Zig:25   | Killed from afar by an Ice Fiend (37 damage)
                  | ... with a bolt of cold
171551 | Zig:25   | HP: 10/218 [??? (1)]
171553 | Zig:25   | HP: 4/218 [Ice Fiend/bolt of cold (5)]
171557 | Zig:25   | Killed from afar by an Ice Fiend (30 damage)
                  | ... with a bolt of cold
171567 | Zig:25   | HP: 7/218 [something (8)]
171567 | Zig:25   | Mangled by a nargun (18 damage)
171573 | Zig:25   | HP: 5/218 [Ice Fiend (22)]
171574 | Zig:25   | Killed from afar by a blizzard demon (44 damage)
                  | ... with a bolt of cold
171584 | Zig:25   | Mangled by a nargun (31 damage)
171585 | Zig:25   | Reached skill level 10 in Long Blades
171589 | Zig:25   | Demolished by an Ice Fiend (33 damage)
171611 | Zig:25   | Paralysed by a wendigo for 1 turns
171615 | Zig:25   | HP: 2/218 [Ice Fiend/bolt of cold (21)]
171615 | Zig:25   | Paralysed by a wendigo for 1 turns
171616 | Zig:25   | Slain by a wendigo (5 damage)
                  | ... while paralysed by a wendigo
171649 | Zig:25   | Found the +3 robe of Clouds {*Thunder rCloud rElec}
171963 | Zig:25   | Identified the staff of cold "Qedu" {Fly rC+ Int+2}
171968 | Zig:25   | Identified the ring of the Peasants {Fly rF- Str+6}
171979 | Zig:25   | Identified the staff of cold "Onilyux" {rC+ rN+ Int+3
                  | Dex+3}
171983 | Zig:25   | Identified the +8 sling "Kiarchewi" {flame, rPois rN+++
                  | Will+ Dex+3}
172046 | Zig:26   | Entered Level 26 of a ziggurat
172064 | Zig:26   | Noticed a juggernaut
172066 | Zig:26   | Noticed a juggernaut
172072 | Zig:26   | Noticed a juggernaut
172074 | Zig:26   | Noticed a juggernaut
172075 | Zig:26   | Killed a juggernaut
172075 | Zig:26   | Killed a juggernaut
172079 | Zig:26   | Noticed a juggernaut
172079 | Zig:26   | Killed a juggernaut
172080 | Zig:26   | Noticed a juggernaut
172083 | Zig:26   | Killed a juggernaut
172088 | Zig:26   | Noticed a juggernaut
172095 | Zig:26   | Killed a juggernaut
172097 | Zig:26   | Killed a juggernaut
172109 | Zig:26   | Killed a juggernaut
172129 | Zig:26   | HP: 7/218 [iron troll (8)]
172142 | Zig:26   | HP: 2/218 [orc high priest/divine providence (11)]
172144 | Zig:26   | Killed by divine providence
                  | ... invoked by a smoke demon
                  | ... summoned by an orc sorcerer
                  | (13 damage)
172270 | Zig:26   | Identified the +1 robe of Autotheism {Will+}
172271 | Zig:26   | Identified the +2 plate armour of Picwoz {*Slow Will+ Int+4
                  | Dex+4}
172277 | Zig:26   | Identified the ring "Yshox" {Wiz MP+9 Int+4}
172386 | Zig:27   | Entered Level 27 of a ziggurat
172405 | Zig:27   | Paralysed by an air elemental for 1 turns
172412 | Zig:27   | Reached skill level 15 in Long Blades
172413 | Zig:27   | Paralysed by an air elemental for 1 turns
172413 | Zig:27   | HP: 5/218 [electric golem/bolt of lightning (8)]
172413 | Zig:27   | Killed from afar by a storm dragon (6 damage)
                  | ... with a bolt of lightning
                  | ... while paralysed by an air elemental
172419 | Zig:27   | Paralysed by an air elemental for 1 turns
172432 | Zig:27   | HP: 6/218 [electric golem/bolt of lightning (7)]
172434 | Zig:27   | Paralysed by an air elemental for 1 turns
172435 | Zig:27   | Killed from afar by an electric golem (13 damage)
                  | ... with a bolt of lightning
                  | ... while paralysed by an air elemental
172480 | Zig:27   | Paralysed by an air elemental for 1 turns
172501 | Zig:27   | HP: 5/218 [titan/bolt of lightning (10)]
172502 | Zig:27   | Killed from afar by an electric golem (5 damage)
                  | ... with a bolt of lightning
172633 | Zig:27   | Found the +4 Cigotuvi's embrace {Corpsefed rMiasma Drain
                  | rN+}
172661 | Zig:27   | Identified the +9 trident of Xinn {drain, rPois rN+ Str-5
                  | Dex+2}
172664 | Zig:27   | Identified the ring "Qubur" {Wiz Int+2}
172672 | Zig:27   | Identified the +1 ring mail of Beauty {Int+2}
172683 | Zig:27   | Identified the ring of Circularity {rElec rN+ Str+4 SInv}
172685 | Zig:27   | Identified the +4 broad axe "Juurieh" {venom, rF+ Dex+2}
172697 | Zig:27   | Identified the staff of earth "Meinnus" {rPois rC- rN+++}
172698 | Zig:27   | Identified the ring "Laasch" {Fly Str+3}
172760 | Zig:1    | Entered Level 1 of a ziggurat
172778 | Zig:2    | Entered Level 2 of a ziggurat
172792 | Zig:3    | Entered Level 3 of a ziggurat
172801 | Zig:3    | Killed from afar by a hellion (28 damage)
                  | ... with damnation
172812 | Zig:4    | Entered Level 4 of a ziggurat
172836 | Zig:5    | Entered Level 5 of a ziggurat
173018 | Zig:5    | Identified the +10 demon blade of the Messenger {speed,
                  | rC++ Int+4}
173031 | Zig:6    | Entered Level 6 of a ziggurat
173033 | Zig:6    | Noticed a dread lich
173034 | Zig:6    | Noticed a dread lich
173050 | Zig:6    | Killed a dread lich
173052 | Zig:6    | Killed a dread lich
173072 | Zig:6    | Identified the amulet "Zaagosk" {Regen+ Dex+4}
173078 | Zig:7    | Entered Level 7 of a ziggurat
173078 | Zig:7    | Noticed Zienil the pandemonium lord
173080 | Zig:7    | Found the +4 moon troll leather armour {Spirit, Regen++
                  | MP+5}
173081 | Zig:7    | Noticed Cenih the pandemonium lord
173084 | Zig:7    | Noticed Tuppel the pandemonium lord
173091 | Zig:7    | Killed Zienil the pandemonium lord
173099 | Zig:7    | Killed Cenih the pandemonium lord
173108 | Zig:7    | Killed Tuppel the pandemonium lord
173184 | Zig:8    | Entered Level 8 of a ziggurat
173186 | Zig:8    | Noticed a dread lich
173188 | Zig:8    | Noticed a dread lich
173189 | Zig:8    | Noticed a dread lich
173191 | Zig:8    | Noticed a dread lich
173191 | Zig:8    | Noticed a dread lich
173191 | Zig:8    | Noticed an ancient lich
173192 | Zig:8    | Killed an ancient lich
173192 | Zig:8    | Killed a dread lich
173195 | Zig:8    | Killed a dread lich
173198 | Zig:8    | Killed a dread lich
173206 | Zig:8    | Killed a dread lich
173208 | Zig:8    | Killed a dread lich
173212 | Zig:8    | Identified the staff of death "Pideov" {rPois rF++ rN+
                  | MP+9}
173223 | Zig:8    | Identified the ring of Ratwaw {Fly rF+++ rC+ rCorr Stlth-}
173228 | Zig:8    | Acquired 998 gold pieces
173234 | Zig:9    | Entered Level 9 of a ziggurat
173254 | Zig:9    | Paralysed by a floating eye for 4 turns
173256 | Zig:9    | HP: 7/218 [acid blob (10)]
173257 | Zig:9    | Killed from afar by an acid blob (9 damage)
                  | ... with a splash of acid
                  | ... while paralysed by a floating eye
173261 | Zig:9    | Gained mutation: You are weak. (Str -2) [a shining eye]
173322 | Zig:9    | Identified the +1 dagger of Eternity {pain, rC- Will+
                  | rCorr}
173328 | Zig:10   | Entered Level 10 of a ziggurat
173336 | Zig:10   | Killed from afar by an Ice Fiend (21 damage)
                  | ... with a bolt of cold
173346 | Zig:10   | HP: 1/218 [Ice Fiend/bolt of cold (27)]
173346 | Zig:10   | Killed from afar by an ice dragon (8 damage)
                  | ... with a blast of cold
173403 | Zig:10   | Identified the staff of cold "Cuves" {rPois rC+ MP+9 Str+3}
173419 | Zig:11   | Entered Level 11 of a ziggurat
173422 | Zig:11   | Noticed a juggernaut
173445 | Zig:11   | Killed a juggernaut
173486 | Zig:12   | Entered Level 12 of a ziggurat
173687 | Zig:12   | Paralysed by a wendigo for 1 turns
173703 | Zig:12   | HP: 8/218 [blizzard demon/bolt of cold (19)]
173708 | Zig:12   | HP: 1/218 [blizzard demon] (9)]
174249 | Zig:12   | Identified the ring of Tulips {rF+ Int+5}
174251 | Zig:12   | Identified the +5 rapier of the Crypt {drain, *Noise Str+5
                  | Int+5}
174253 | Zig:12   | Identified the +1 robe of the Bagpipe {Harm Will+}
174255 | Zig:12   | Identified the +2 mace of the Ancient Knives {freeze,
                  | rPois}
174642 | Zig:13   | Entered Level 13 of a ziggurat
174878 | Zig:13   | Identified the +7 lajatang "Ocopnuin" {drain, rCorr}
174887 | Zig:14   | Entered Level 14 of a ziggurat
174898 | Zig:14   | Noticed Qesaug the pandemonium lord
174900 | Zig:14   | Noticed Zaij the pandemonium lord
174900 | Zig:14   | Noticed Toifor the pandemonium lord
174901 | Zig:14   | Noticed Neopydi the pandemonium lord
174901 | Zig:14   | Noticed Deemelur the pandemonium lord
174901 | Zig:14   | Noticed Rufrol the pandemonium lord
174901 | Zig:14   | Noticed Nukhohimp the pandemonium lord
174901 | Zig:14   | Noticed Raro Ypexzesh the pandemonium lord
174902 | Zig:14   | Noticed Atuc the pandemonium lord
174902 | Zig:14   | Noticed Poylig the pandemonium lord
174904 | Zig:14   | Noticed Riebbuf the pandemonium lord
174904 | Zig:14   | Noticed Gir Ymn the pandemonium lord
174906 | Zig:14   | Killed Qesaug the pandemonium lord
174906 | Zig:14   | Noticed Poog the pandemonium lord
174908 | Zig:14   | Killed Zaij the pandemonium lord
174912 | Zig:14   | Killed Raro Ypexzesh the pandemonium lord
174912 | Zig:14   | Noticed Kich the pandemonium lord
174913 | Zig:14   | Killed Neopydi the pandemonium lord
174914 | Zig:14   | Noticed Pyxzetig the pandemonium lord
174917 | Zig:14   | Killed Deemelur the pandemonium lord
174917 | Zig:14   | Killed Nukhohimp the pandemonium lord
174918 | Zig:14   | Killed Toifor the pandemonium lord
174919 | Zig:14   | Killed Atuc the pandemonium lord
174924 | Zig:14   | Killed Poylig the pandemonium lord
174926 | Zig:14   | Killed Gir Ymn the pandemonium lord
174926 | Zig:14   | Killed Poog the pandemonium lord
174927 | Zig:14   | Killed Riebbuf the pandemonium lord
174929 | Zig:14   | Killed Rufrol the pandemonium lord
174936 | Zig:14   | Killed Pyxzetig the pandemonium lord
174951 | Zig:14   | Killed Kich the pandemonium lord
175292 | Zig:15   | Entered Level 15 of a ziggurat
175312 | Zig:15   | Reached skill level 27 in Staves
175519 | Zig:15   | Identified the +0 robe "Russexke" {Str+2 Slay+5}
175523 | Zig:15   | Identified the staff of conjuration "Gigriv" {rN+ rCorr
                  | SInv}
175529 | Zig:15   | Identified the ring "Rashrois" {Fly rElec Will+ Int+3
                  | Dex+2}
175532 | Zig:15   | Identified the +8 shortbow of Midsummer {heavy, *Slow Will-
                  | rCorr Int+5}
175536 | Zig:15   | Identified the +0 plate armour of the Armoured One {rN++
                  | Will- Int+3}
175545 | Zig:15   | Identified the ring of the Morning {Fire Will+ Str+5 Int-2
                  | SInv}
175553 | Zig:16   | Entered Level 16 of a ziggurat
175584 | Zig:16   | Reached skill level 27 in Polearms
175737 | Zig:16   | Identified the amulet of Micway Vaurr {*Corrode rElec
                  | Regen+ Str+2 Int+5}
175738 | Zig:16   | Identified the +9 plate armour of the Northern Lights {rF+
                  | rCorr}
175740 | Zig:16   | Identified the ring of Sif Muna's Whim {rPois rN+}
175748 | Zig:16   | Identified the staff of conjuration "Gyrem" {+Blink rN+
                  | Will+}
175756 | Zig:16   | Identified the +9 short sword of Brutal Revenge {vamp,
                  | Dex+4}
175760 | Zig:16   | Identified the staff of fire "Pappep Xubb" {rF+ Int+2}
175761 | Zig:16   | Identified the +3 plate armour of the Postmodern Ships
                  | {Rampage Regen+ Str+6 Dex+2}
175771 | Zig:16   | Identified the staff of poison "Nazexuok" {*Slow rPois MP+9
                  | Str+5 Dex+3}
175802 | Zig:17   | Entered Level 17 of a ziggurat
175843 | Zig:17   | HP: 7/218 [white draconian stormcaller/divine providence
                  | (13)]
175847 | Zig:17   | Slain by a black draconian
                  | ... wielding a +0 trident
                  | (9 damage)
176049 | Zig:17   | Found the +9 staff of Olgreb {rPois∞}
176072 | Zig:17   | Found the +9 sword of Power {lifebolt}
176081 | Zig:17   | Identified the amulet of New Discoveries {Acrobat rC++
                  | Int+4 Slay+5}
176092 | Zig:17   | Identified the +7 long sword of Qazlal's Regard {freeze,
                  | *Slow rC+ rCorr Dex+2}
176096 | Zig:17   | Identified the +5 cloak "Boifoipn" {Dex+4}
176121 | Zig:17   | Identified the +7 storm dragon scales of the Realm of Zot
                  | {rElec Slay+3 SInv}
176123 | Zig:17   | Identified the staff of air "Cacinuuha" {Contam rElec rPois
                  | rCorr Dex+8}
176157 | Zig:18   | Entered Level 18 of a ziggurat
176304 | Zig:18   | HP: 10/218 [acid blob (6)]
176306 | Zig:18   | Mangled by a rockslime (13 damage)
176551 | Zig:18   | Identified the staff of conjuration "Pikkoxueg" {rPois rF-
                  | Int+3}
176558 | Zig:18   | Identified the +1 plate armour "Ilifargh" {Dex+2 Stlth+}
176559 | Zig:18   | Identified the amulet of Sunlight {Regen+ Int+4}
176570 | Zig:18   | Identified the ring "Xittosem" {rF+ AC+4}
176623 | Zig:19   | Entered Level 19 of a ziggurat
176683 | Zig:19   | Reached skill level 27 in Long Blades
176685 | Zig:19   | Reached skill level 1 in Conjurations
176686 | Zig:19   | Reached skill level 1 in Fire Magic
176688 | Zig:19   | Reached skill level 1 in Short Blades
176697 | Zig:19   | HP: 5/218 [white draconian/blast of cold (7)]
176701 | Zig:19   | HP: 1/218 [yellow draconian annihilator/glob of acid (6)]
176705 | Zig:19   | Killed from afar by a black draconian knight (22 damage)
                  | ... with a bolt of cold
176907 | Zig:19   | Identified the +1 battleaxe of the Candle {speed, rF+ Will+
                  | Str+5}
176913 | Zig:19   | Identified the +8 dagger "Wykax" {heavy, Fly Int+4}
176924 | Zig:19   | Identified the staff of conjuration "Lameva" {rF+ Int+3
                  | Dex+3}
176954 | Zig:20   | Entered Level 20 of a ziggurat
176964 | Zig:20   | Reached skill level 5 in Conjurations
176973 | Zig:20   | Reached skill level 5 in Fire Magic
176977 | Zig:20   | Reached skill level 5 in Short Blades
177233 | Zig:20   | Identified the +1 short sword of Truncation {pain, rElec
                  | Will+ SInv}
177239 | Zig:20   | Identified the +9 rapier of the Hierophant {vamp, rPois
                  | Int+2}
177240 | Zig:20   | Identified the ring "Burhid" {rCorr Str+6 Int+4 SInv}
177241 | Zig:20   | Identified the ring of Acyutwoj {rF+ MP+9 Int+3}
177242 | Zig:20   | Identified the +8 scimitar of the Conjuring Traitor {flame,
                  | Will+ Stlth+}
177251 | Zig:20   | Identified the amulet of Satisfaction {Faith rN+ SInv}
177263 | Zig:21   | Entered Level 21 of a ziggurat
177275 | Zig:21   | Noticed a royal mummy
177277 | Zig:21   | Noticed a royal mummy
177277 | Zig:21   | Noticed a royal mummy
177277 | Zig:21   | Noticed a royal mummy
177277 | Zig:21   | Noticed a royal mummy
177278 | Zig:21   | Noticed a royal mummy
177278 | Zig:21   | Noticed a royal mummy
177279 | Zig:21   | Noticed a royal mummy
177279 | Zig:21   | Noticed a royal mummy
177279 | Zig:21   | Noticed a royal mummy
177280 | Zig:21   | Noticed a royal mummy
177281 | Zig:21   | Noticed a royal mummy
177282 | Zig:21   | Noticed a royal mummy
177283 | Zig:21   | Noticed a royal mummy
177284 | Zig:21   | Noticed a royal mummy
177285 | Zig:21   | Killed a royal mummy
177286 | Zig:21   | Noticed a royal mummy
177287 | Zig:21   | Killed a royal mummy
177287 | Zig:21   | Killed a royal mummy
177287 | Zig:21   | Noticed a royal mummy
177288 | Zig:21   | Killed a royal mummy
177288 | Zig:21   | Demolished by a caustic shrike simulacrum (53 damage)
                  | ... summoned by a mummy priest
177290 | Zig:21   | Killed a royal mummy
177292 | Zig:21   | Killed a royal mummy
177292 | Zig:21   | HP: 1/218 [something (22)]
177292 | Zig:21   | Killed by divine providence
                  | ... invoked by a royal mummy
                  | (10 damage)
177294 | Zig:21   | Killed a royal mummy
177299 | Zig:21   | Killed a royal mummy
177300 | Zig:21   | Reached skill level 10 in Conjurations
177301 | Zig:21   | Noticed a royal mummy
177301 | Zig:21   | HP: 4/218 [royal mummy (17)]
177302 | Zig:21   | Killed a royal mummy
177302 | Zig:21   | Killed a royal mummy
177302 | Zig:21   | Killed a royal mummy
177302 | Zig:21   | Killed by a royal mummy's death curse (13 damage)
177305 | Zig:21   | Killed a royal mummy
177306 | Zig:21   | Noticed a royal mummy
177311 | Zig:21   | Killed a royal mummy
177311 | Zig:21   | Noticed a royal mummy
177312 | Zig:21   | Killed a royal mummy
177312 | Zig:21   | Killed by a royal mummy's death curse (20 damage)
177314 | Zig:21   | Killed a royal mummy
177315 | Zig:21   | Killed a royal mummy
177315 | Zig:21   | Noticed a royal mummy
177316 | Zig:21   | Reached skill level 10 in Fire Magic
177318 | Zig:21   | Killed a royal mummy
177320 | Zig:21   | Noticed a royal mummy
177321 | Zig:21   | HP: 8/218 [mummy priest/divine providence (8)]
177321 | Zig:21   | Killed by divine providence
                  | ... invoked by a royal mummy
                  | (14 damage)
177323 | Zig:21   | Killed a royal mummy
177326 | Zig:21   | Killed a royal mummy
177327 | Zig:21   | Killed a royal mummy
177330 | Zig:21   | Noticed a royal mummy
177336 | Zig:21   | Noticed a royal mummy
177337 | Zig:21   | Noticed a royal mummy
177340 | Zig:21   | Killed a royal mummy
177340 | Zig:21   | HP: 7/207 [royal mummy/divine providence (11)]
177341 | Zig:21   | Mangled by a death scarab (19 damage)
                  | ... summoned by a royal mummy
177351 | Zig:21   | Reached skill level 10 in Short Blades
177352 | Zig:21   | Killed a royal mummy
177364 | Zig:21   | Killed a royal mummy
177370 | Zig:21   | HP: 10/218 [mummy priest/divine providence (11)]
177371 | Zig:21   | Slain by a spriggan defender skeleton (11 damage)
                  | ... summoned by a mummy priest
177380 | Zig:21   | Killed a royal mummy
177380 | Zig:21   | Killed a royal mummy
177414 | Zig:21   | Found the +8 frozen axe "Frostbite" {freeze, freezing
                  | cloud, *Noise Fly rC+}
177424 | Zig:21   | Identified the staff of poison "Oririr" {rPois Will+}
177483 | Zig:21   | Identified the staff of cold "Zaidacum" {+Blink rC+}
177494 | Zig:21   | Identified the staff of cold "Viewogg" {rElec rC+}
177502 | Zig:21   | Identified the +0 hand axe of Shrieking Terror {heavy, rC+
                  | rN+}
177512 | Zig:22   | Entered Level 22 of a ziggurat
177540 | Zig:22   | Paralysed by a floating eye for 4 turns
177546 | Zig:22   | HP: 9/218 [azure jelly (6)]
177549 | Zig:22   | Killed from afar by an acid blob (11 damage)
                  | ... with a splash of acid
177554 | Zig:22   | Paralysed by a floating eye for 4 turns
177564 | Zig:22   | Paralysed by a floating eye for 2 turns
177802 | Zig:22   | Identified the ring "Jeuzoic" {Ice Int+3}
177806 | Zig:22   | Identified the staff of fire "Icyngufu" {rF+ rN+}
177807 | Zig:22   | Identified the staff of poison "Wurusann" {rPois Will-
                  | Int+8 Stlth+}
177822 | Zig:22   | Identified the staff of poison "Faofa" {rElec rPois Dex+6}
177824 | Zig:22   | Identified the +5 dagger of the Moon {flame, Str+8 Int+3}
177828 | Zig:23   | Entered Level 23 of a ziggurat
177856 | Zig:23   | Reached skill level 15 in Conjurations
177915 | Zig:23   | Reached skill level 15 in Fire Magic
178179 | Zig:23   | Identified the +3 great sword of Precise Incision {heavy,
                  | Drain rN++ Stlth+}
178184 | Zig:23   | Identified the ring "Cuhejaor" {Fly rCorr Int-3 Slay+2}
178188 | Zig:23   | Identified the amulet of Conij {Acrobat Dex+5}
178194 | Zig:23   | Identified the ring of Ykegrel {Fire rPois}
178199 | Zig:23   | Identified the +5 chain mail "Empuddia" {Str+4 Dex+5}
178206 | Zig:23   | Identified the +5 spear "Jess" {speed, rF+ Int+6}
178268 | Zig:24   | Entered Level 24 of a ziggurat
178282 | Zig:24   | Noticed an ancient lich
178282 | Zig:24   | Noticed an ancient lich
178282 | Zig:24   | Noticed an ancient lich
178282 | Zig:24   | Noticed a dread lich
178282 | Zig:24   | Noticed a dread lich
178282 | Zig:24   | Noticed a dread lich
178282 | Zig:24   | Noticed an ancient lich
178282 | Zig:24   | Noticed a dread lich
178282 | Zig:24   | Noticed a dread lich
178282 | Zig:24   | Noticed an ancient lich
178282 | Zig:24   | Noticed an ancient lich
178282 | Zig:24   | Noticed an ancient lich
178283 | Zig:24   | Killed a dread lich
178283 | Zig:24   | Noticed an ancient lich
178283 | Zig:24   | Noticed an ancient lich
178284 | Zig:24   | Killed a dread lich
178286 | Zig:24   | Noticed an ancient lich
178287 | Zig:24   | Noticed an ancient lich
178288 | Zig:24   | Noticed a dread lich
178289 | Zig:24   | Reached skill level 15 in Short Blades
178290 | Zig:24   | Killed an ancient lich
178292 | Zig:24   | Killed an ancient lich
178294 | Zig:24   | Killed an ancient lich
178298 | Zig:24   | Killed an ancient lich
178303 | Zig:24   | Killed a dread lich
178304 | Zig:24   | Killed an ancient lich
178305 | Zig:24   | Killed a dread lich
178306 | Zig:24   | Killed an ancient lich
178306 | Zig:24   | Killed an ancient lich
178307 | Zig:24   | Killed an ancient lich
178307 | Zig:24   | Killed from afar by a golden dragon (20 damage)
                  | ... with a bolt of fire
178310 | Zig:24   | Killed an ancient lich
178313 | Zig:24   | Killed an ancient lich
178315 | Zig:24   | Killed a dread lich
178315 | Zig:24   | Killed a dread lich
178317 | Zig:24   | Killed an ancient lich
178327 | Zig:24   | Found the ring of Shadows {Umbra +Inv Stlth+}
178329 | Zig:24   | Found the amulet of the Air {Inacc Air Fly rElec RMsl}
178332 | Zig:24   | Identified the ring of Okawaru's Anger {Fire Will- rCorr
                  | Str+4 Dex+4}
178333 | Zig:24   | Identified the +2 trident "Kuehuan" {heavy, Int+3 Dex+3
                  | Stlth+}
178376 | Zig:24   | Identified the ring "Lentyll" {Fly Int+4 SInv}
178404 | Zig:25   | Entered Level 25 of a ziggurat
178425 | Zig:25   | Paralysed by accursed screaming for 2 turns
178441 | Zig:25   | Paralysed by accursed screaming for 2 turns
178448 | Zig:25   | Killed from afar by a starcursed mass (23 damage)
                  | ... with an accursed screaming
178451 | Zig:25   | Paralysed by accursed screaming for 2 turns
178461 | Zig:25   | Paralysed by accursed screaming for 2 turns
178468 | Zig:25   | HP: 2/218 [daeva/divine providence (10)]
178468 | Zig:25   | Killed from afar by a starcursed mass (18 damage)
                  | ... with an accursed screaming
                  | ... summoned by a glowing orange brain
178485 | Zig:25   | Paralysed by accursed screaming for 2 turns
178490 | Zig:25   | Paralysed by accursed screaming for 2 turns
178503 | Zig:25   | Paralysed by accursed screaming for 2 turns
178520 | Zig:25   | Killed from afar by a crystal guardian (20 damage)
                  | ... with a crystal bolt
178526 | Zig:25   | Paralysed by accursed screaming for 2 turns
178546 | Zig:25   | Killed from afar by a starcursed mass (28 damage)
                  | ... with an accursed screaming
178549 | Zig:25   | Paralysed by accursed screaming for 1 turns
178554 | Zig:25   | Paralysed by accursed screaming for 1 turns
178561 | Zig:25   | Paralysed by accursed screaming for 1 turns
178602 | Zig:25   | Found the +5 Storm Queen's Shield {shock, Fly rElec}
178912 | Zig:26   | Entered Level 26 of a ziggurat
178925 | Zig:26   | Noticed Paul the pandemonium lord
178927 | Zig:26   | Noticed Illacheor the pandemonium lord
178927 | Zig:26   | Noticed Tefah the pandemonium lord
178927 | Zig:26   | Noticed Coetohuf the pandemonium lord
178927 | Zig:26   | Noticed Xivosk the pandemonium lord
178927 | Zig:26   | Noticed Ruv Qafe the pandemonium lord
178927 | Zig:26   | Noticed Puarghusm the pandemonium lord
178927 | Zig:26   | Noticed Vewudweq the pandemonium lord
178927 | Zig:26   | Noticed Otwevvo the pandemonium lord
178927 | Zig:26   | Noticed Pyurru the pandemonium lord
178927 | Zig:26   | Noticed Qaolibb the pandemonium lord
178927 | Zig:26   | Noticed Waruip the pandemonium lord
178927 | Zig:26   | Noticed Saumnuc the pandemonium lord
178927 | Zig:26   | Noticed Firahe the pandemonium lord
178927 | Zig:26   | Noticed Mabigav the pandemonium lord
178927 | Zig:26   | Noticed Woapnox the pandemonium lord
178927 | Zig:26   | Noticed Xoklaqod the pandemonium lord
178927 | Zig:26   | Noticed Hanu Vau the pandemonium lord
178927 | Zig:26   | Noticed Raozudy the pandemonium lord
178927 | Zig:26   | Noticed Inunkuta the pandemonium lord
178927 | Zig:26   | Noticed Ogagus the pandemonium lord
178928 | Zig:26   | Noticed Kaiheelie the pandemonium lord
178928 | Zig:26   | Noticed Fifum the pandemonium lord
178928 | Zig:26   | Noticed Cammuet the pandemonium lord
178928 | Zig:26   | Noticed Qexirphe the pandemonium lord
178928 | Zig:26   | Noticed Yticaile the pandemonium lord
178928 | Zig:26   | Noticed Isug the pandemonium lord
178928 | Zig:26   | Noticed Vutonel the pandemonium lord
178928 | Zig:26   | Noticed Xinlum the pandemonium lord
178928 | Zig:26   | Noticed Gisucwat the pandemonium lord
178928 | Zig:26   | Noticed Lotzoc the pandemonium lord
178928 | Zig:26   | Noticed Ocushieff the pandemonium lord
178928 | Zig:26   | Noticed Qosessiu the pandemonium lord
178928 | Zig:26   | Noticed Utosh the pandemonium lord
178928 | Zig:26   | Noticed Ifu Kim the pandemonium lord
178928 | Zig:26   | Noticed Jeum the pandemonium lord
178928 | Zig:26   | Noticed Qaoff the pandemonium lord
178928 | Zig:26   | Noticed Iqymufom the pandemonium lord
178928 | Zig:26   | Found the ring of the Octopus King
178928 | Zig:26   | Noticed Cineir the pandemonium lord
178929 | Zig:26   | Noticed Goma the pandemonium lord
178929 | Zig:26   | Noticed Ihutont the pandemonium lord
178930 | Zig:26   | Noticed Deunofoo the pandemonium lord
178932 | Zig:26   | Killed Illacheor the pandemonium lord
178933 | Zig:26   | Killed Vewudweq the pandemonium lord
178934 | Zig:26   | Killed Puarghusm the pandemonium lord
178934 | Zig:26   | Noticed Kempesch the pandemonium lord
178935 | Zig:26   | Killed Otwevvo the pandemonium lord
178936 | Zig:26   | Killed Mabigav the pandemonium lord
178936 | Zig:26   | Killed Waruip the pandemonium lord
178936 | Zig:26   | Killed Saumnuc the pandemonium lord
178937 | Zig:26   | Killed Ogagus the pandemonium lord
178937 | Zig:26   | Killed Fifum the pandemonium lord
178937 | Zig:26   | Killed Hanu Vau the pandemonium lord
178937 | Zig:26   | Killed Utosh the pandemonium lord
178937 | Zig:26   | Noticed Etadoigg the pandemonium lord
178938 | Zig:26   | Killed Jeum the pandemonium lord
178939 | Zig:26   | Killed Firahe the pandemonium lord
178939 | Zig:26   | Killed Pyurru the pandemonium lord
178940 | Zig:26   | Killed Qosessiu the pandemonium lord
178940 | Zig:26   | Killed Iqymufom the pandemonium lord
178940 | Zig:26   | Killed Qaolibb the pandemonium lord
178940 | Zig:26   | Killed Ruv Qafe the pandemonium lord
178940 | Zig:26   | Killed Xivosk the pandemonium lord
178940 | Zig:26   | Killed Qexirphe the pandemonium lord
178940 | Zig:26   | Killed Xoklaqod the pandemonium lord
178941 | Zig:26   | Killed Kaiheelie the pandemonium lord
178941 | Zig:26   | Killed Vutonel the pandemonium lord
178941 | Zig:26   | Killed Inunkuta the pandemonium lord
178941 | Zig:26   | HP: 3/218 [spore (13)]
178942 | Zig:26   | Killed Tefah the pandemonium lord
178942 | Zig:26   | Killed by an exploding ball lightning (7 damage)
                  | ... set off by themself
178942 | Zig:26   | Killed Coetohuf the pandemonium lord
178943 | Zig:26   | Killed Paul the pandemonium lord
178943 | Zig:26   | Killed Gisucwat the pandemonium lord
178943 | Zig:26   | Killed Lotzoc the pandemonium lord
178943 | Zig:26   | Killed Xinlum the pandemonium lord
178944 | Zig:26   | Killed Ocushieff the pandemonium lord
178944 | Zig:26   | Killed Deunofoo the pandemonium lord
178945 | Zig:26   | Killed Ihutont the pandemonium lord
178945 | Zig:26   | Killed Yticaile the pandemonium lord
178945 | Zig:26   | Killed Etadoigg the pandemonium lord
178946 | Zig:26   | Killed Qaoff the pandemonium lord
178946 | Zig:26   | Killed Cineir the pandemonium lord
178946 | Zig:26   | HP: 8/218 [spore (13)]
178946 | Zig:26   | Slain by Kempesch the pandemonium lord (8 damage)
178947 | Zig:26   | Killed Kempesch the pandemonium lord
178949 | Zig:26   | Killed Raozudy the pandemonium lord
178949 | Zig:26   | Killed Woapnox the pandemonium lord
178953 | Zig:26   | Killed Goma the pandemonium lord
178958 | Zig:26   | Killed Cammuet the pandemonium lord
178960 | Zig:26   | Noticed Ytep the pandemonium lord
178962 | Zig:26   | Noticed Ladowk the pandemonium lord
178965 | Zig:26   | Killed Ytep the pandemonium lord
178968 | Zig:26   | Killed Ladowk the pandemonium lord
178984 | Zig:26   | Killed Ifu Kim the pandemonium lord
178987 | Zig:26   | Killed Isug the pandemonium lord
179271 | Zig:26   | Identified the ring of Cheibriados's Pride {*Slow MP+9
                  | Str+5}
179272 | Zig:26   | Identified the +6 mace of the Extremes {freeze, rElec
                  | Will+}
179274 | Zig:26   | Identified the staff of death "Joer" {rElec rC+ rN+}
179277 | Zig:26   | Identified the staff of earth "Naurogas" {rCorr}
179278 | Zig:26   | Identified the +0 hat of Mucsij {Regen+}
179281 | Zig:26   | Identified the +6 chain mail of Foolhardiness {Str+6 Dex+4}
179282 | Zig:26   | Identified the +7 scale mail of Insecurity {Int+4}
179283 | Zig:26   | Identified a ring of the Octopus King {Fly HP+2 AC+2 EV+2
                  | SH+2}
179309 | Zig:26   | Identified the amulet "Qaozis" {Reflect Int+3 SH+5}
179316 | Zig:27   | Entered Level 27 of a ziggurat
179810 | Zig:27   | Identified the +0 ring mail of Polytheism {Fly Will- Str+2}
179811 | Zig:27   | Identified the +4 scale mail "Tuppell" {Dex+3}
179813 | Zig:27   | Identified the +6 sling of Revolt {freeze, MP+9 Dex+3}
179816 | Zig:27   | Identified the +2 dagger of Big Damage {freeze, Contam SInv
                  | Stlth+}
179818 | Zig:27   | Identified the +3 arbalest of Hell's Wrath {heavy, Contam
                  | rPois Will+++ Dex-2}
179820 | Zig:27   | Identified the amulet of Pymok {Spirit Drain Str+8 Dex-2
                  | Slay+5}
179821 | Zig:27   | Identified the staff of fire "Noar" {rF+ Str+3 Int-3 Dex+4}
179826 | Zig:27   | Identified the +1 robe "Ketinadeo" {rElec rCorr}
179833 | Zig:27   | Identified the amulet of Xuoll {Faith Will+ Regen+ Str-3
                  | Dex+3}
179835 | Zig:27   | Identified the +5 mace of Nuokaur {flame, *Corrode rElec
                  | rF+ Str+3}
179924 | Zig:1    | Entered Level 1 of a ziggurat
179940 | Zig:2    | Entered Level 2 of a ziggurat
179971 | Zig:3    | Entered Level 3 of a ziggurat
180234 | Zig:4    | Entered Level 4 of a ziggurat
180612 | Zig:5    | Entered Level 5 of a ziggurat
180614 | Zig:5    | Noticed Keirost the pandemonium lord
180615 | Zig:5    | Noticed Utoocrar the pandemonium lord
180635 | Zig:5    | Killed Utoocrar the pandemonium lord
180655 | Zig:5    | Killed Keirost the pandemonium lord
180971 | Zig:6    | Entered Level 6 of a ziggurat
181164 | Zig:7    | Entered Level 7 of a ziggurat
181213 | Zig:8    | Entered Level 8 of a ziggurat
181222 | Zig:8    | Killed from afar by a yellow draconian annihilator (42
                  | damage)
                  | ... with a crystal spear
181225 | Zig:8    | Found the +6 arbalest "Damnation" {damnation}
181277 | Zig:8    | Identified the staff of conjuration "Zooga" {Int+4}
181279 | Zig:8    | Identified the ring of Cuniss {*Slow rElec rPois MP+9
                  | Int-5}
181294 | Zig:9    | Entered Level 9 of a ziggurat
181360 | Zig:9    | Identified the staff of conjuration "Tinocral" {Fly rN+
                  | MP-9 Dex+6}
181363 | Zig:10   | Entered Level 10 of a ziggurat
181365 | Zig:10   | Noticed a royal mummy
181367 | Zig:10   | Noticed a royal mummy
181367 | Zig:10   | Noticed a royal mummy
181368 | Zig:10   | Noticed a royal mummy
181368 | Zig:10   | Noticed a royal mummy
181372 | Zig:10   | Reached skill level 5 in Ranged Weapons
181374 | Zig:10   | HP: 8/211 [death scarab[a royal mummy] (5)]
181374 | Zig:10   | Killed a royal mummy
181375 | Zig:10   | Killed by a mummy priest's death curse (17 damage)
181377 | Zig:10   | Killed a royal mummy
181379 | Zig:10   | Killed a royal mummy
181380 | Zig:10   | Killed a royal mummy
181381 | Zig:10   | Killed a royal mummy
181382 | Zig:10   | Noticed a royal mummy
181389 | Zig:10   | Killed a royal mummy
181391 | Zig:10   | Found the +4 consecrated labrys {holy, Valiant Fragile Fly
                  | SInv}
181391 | Zig:10   | Noticed a royal mummy
181400 | Zig:10   | Killed a royal mummy
181413 | Zig:10   | HP: 3/218 [mummy priest/divine providence (12)]
181418 | Zig:10   | Killed by a mummy priest's death curse (16 damage)
181575 | Zig:10   | Identified the +2 scimitar "Lorem Ipsum" {drain, rElec rF+
                  | Dex+3}
181578 | Zig:10   | Identified the staff of fire "Mozefed" {rElec rF+ rCorr
                  | Str-4}
181579 | Zig:10   | Identified the +2 long sword "Qubrat" {elec, rCorr MP+9
                  | Int+7}
181589 | Zig:10   | Identified the +8 great mace of Iconoclasm {protect, rF+
                  | SInv}
181618 | Zig:11   | Entered Level 11 of a ziggurat
181625 | Zig:11   | Paralysed by an air elemental for 1 turns
181653 | Zig:11   | Paralysed by an air elemental for 1 turns
181923 | Zig:11   | Identified the +2 halberd "Sinisif" {freeze, Fly Will+
                  | Str+2}
181928 | Zig:11   | Identified the +4 falchion of Risurar {freeze, Will+ rCorr
                  | Str+6}
181933 | Zig:11   | Identified the ring of Equivalence {rElec rC+ Dex+4}
181936 | Zig:11   | Identified the staff of conjuration "Tull" {rF- rN+ Str+2}
181951 | Zig:12   | Entered Level 12 of a ziggurat
181954 | Zig:12   | Noticed Ommat the pandemonium lord
181954 | Zig:12   | Noticed Qebbi the pandemonium lord
181956 | Zig:12   | Noticed Cuf Gim the pandemonium lord
181956 | Zig:12   | Noticed Ruissy the pandemonium lord
181956 | Zig:12   | Noticed Dacwear the pandemonium lord
181957 | Zig:12   | Noticed Cottez the pandemonium lord
181960 | Zig:12   | Noticed Tomoq the pandemonium lord
181962 | Zig:12   | Killed Dacwear the pandemonium lord
181962 | Zig:12   | Killed Ruissy the pandemonium lord
181962 | Zig:12   | Killed Cuf Gim the pandemonium lord
181963 | Zig:12   | Noticed Naomex the pandemonium lord
181963 | Zig:12   | Killed Cottez the pandemonium lord
181963 | Zig:12   | Noticed Pasch the pandemonium lord
181963 | Zig:12   | Noticed Wyeju the pandemonium lord
181963 | Zig:12   | Noticed Vidi the pandemonium lord
181964 | Zig:12   | Killed Ommat the pandemonium lord
181966 | Zig:12   | Killed Qebbi the pandemonium lord
181967 | Zig:12   | Noticed Ruhaj the pandemonium lord
181967 | Zig:12   | Noticed Ywkihuon the pandemonium lord
181969 | Zig:12   | Killed Tomoq the pandemonium lord
181969 | Zig:12   | Killed Wyeju the pandemonium lord
181970 | Zig:12   | Killed Naomex the pandemonium lord
181971 | Zig:12   | Killed Pasch the pandemonium lord
181971 | Zig:12   | Killed Ywkihuon the pandemonium lord
181973 | Zig:12   | Killed by an exploding ball lightning (24 damage)
181979 | Zig:12   | Killed Vidi the pandemonium lord
181979 | Zig:12   | Killed Ruhaj the pandemonium lord
181980 | Zig:12   | Reached skill level 27 in Conjurations
182073 | Zig:12   | Identified the staff of poison "Qumegeum" {rPois Str+3
                  | Int-5}
182077 | Zig:12   | Identified the +5 war axe "Axewis" {freeze, Dex+2}
182086 | Zig:12   | Identified the staff of air "Kacs" {*Slow rElec rC+ Str+2
                  | SInv}
182115 | Zig:13   | Entered Level 13 of a ziggurat
182124 | Zig:13   | Reached skill level 15 in Ranged Weapons
182151 | Zig:13   | Slain by an iron giant
                  | ... wielding a +0 giant spiked club
                  | (16 damage)
182248 | Zig:13   | Found the +27 heavy crossbow "Sniper" {heavy, Acc+∞ SInv}
182273 | Zig:13   | Identified the +6 short sword of Ostaescha {heavy, Str+3}
182275 | Zig:13   | Identified the staff of conjuration "Reuc" {rN+ Will+
                  | Dex-5}
182277 | Zig:13   | Identified the staff of conjuration "Wuyvak" {rF+ rC+
                  | Int+2}
182279 | Zig:13   | Identified the +0 scale mail of Johoor {+Inv rN+ Int+5}
182285 | Zig:13   | Identified the ring "Zaycragy" {rC+ Will+ Str+6 Int+2}
182291 | Zig:14   | Entered Level 14 of a ziggurat
182311 | Zig:14   | Paralysed by an air elemental for 1 turns
182791 | Zig:15   | Entered Level 15 of a ziggurat
182801 | Zig:15   | Found the ring of the Octopus King
182842 | Zig:15   | Identified a ring of the Octopus King {rF+ HP+2 AC+2 EV+2
                  | SH+2}
183222 | Zig:15   | Identified the staff of conjuration "Binoaja" {rC+++ MP+9
                  | Str+4 Dex-2}
183237 | Zig:15   | Identified the +8 dagger "Utuesk" {drain, Dex+4 Stlth+}
183241 | Zig:15   | Identified the +5 falchion of Ruination {antimagic, rC++}
183246 | Zig:16   | Entered Level 16 of a ziggurat
183253 | Zig:16   | Noticed a royal mummy
183254 | Zig:16   | Noticed a royal mummy
183254 | Zig:16   | Noticed a royal mummy
183254 | Zig:16   | Noticed a royal mummy
183254 | Zig:16   | Noticed a royal mummy
183255 | Zig:16   | Noticed a royal mummy
183255 | Zig:16   | Noticed a royal mummy
183255 | Zig:16   | Noticed a royal mummy
183255 | Zig:16   | Noticed a royal mummy
183255 | Zig:16   | Noticed a royal mummy
183255 | Zig:16   | Noticed a royal mummy
183259 | Zig:16   | Noticed a royal mummy
183259 | Zig:16   | Killed a royal mummy
183261 | Zig:16   | Killed a royal mummy
183261 | Zig:16   | HP: 7/218 [something (9)]
183262 | Zig:16   | Killed a royal mummy
183262 | Zig:16   | Killed a royal mummy
183262 | Zig:16   | Killed a royal mummy
183263 | Zig:16   | Killed a royal mummy
183264 | Zig:16   | Noticed a royal mummy
183264 | Zig:16   | Killed by divine providence
                  | ... invoked by a royal mummy
                  | (14 damage)
183264 | Zig:16   | Noticed a royal mummy
183264 | Zig:16   | Killed a royal mummy
183265 | Zig:16   | Killed a royal mummy
183266 | Zig:16   | Killed a royal mummy
183266 | Zig:16   | Killed a royal mummy
183268 | Zig:16   | Killed a royal mummy
183273 | Zig:16   | Killed a royal mummy
183273 | Zig:16   | HP: 5/218 [something (16)]
183273 | Zig:16   | Killed by divine providence
                  | ... invoked by a royal mummy
                  | (14 damage)
183274 | Zig:16   | Noticed a royal mummy
183284 | Zig:16   | Noticed a royal mummy
183285 | Zig:16   | Noticed a royal mummy
183285 | Zig:16   | Noticed a royal mummy
183288 | Zig:16   | Killed a royal mummy
183290 | Zig:16   | HP: 10/218 [mummy priest/divine providence (11)]
183291 | Zig:16   | Found the +10 morningstar "Eos" {elec, Halo rElec}
183292 | Zig:16   | Killed by a guardian mummy's death curse (12 damage)
183298 | Zig:16   | Killed a royal mummy
183298 | Zig:16   | Killed a royal mummy
183300 | Zig:16   | Killed a royal mummy
183303 | Zig:16   | Killed a royal mummy
183317 | Zig:16   | HP: 9/218 [emperor scorpion[a royal mummy] (4)]
183319 | Zig:16   | Killed by divine providence
                  | ... invoked by a royal mummy
                  | (14 damage)
183325 | Zig:16   | Killed a royal mummy
183367 | Zig:16   | Identified the +0 ring mail "Aficheif" {rN+}
183368 | Zig:16   | Identified the +5 shortbow of Qarow {freeze, rPois rC+
                  | Dex+2}
183369 | Zig:16   | Identified the +5 trident of Adaofaqa {venom, *Noise rN++
                  | rCorr SInv}
183370 | Zig:16   | Identified the +1 falchion "Fuigoun" {heavy, rPois rF+
                  | Dex+3}
183372 | Zig:16   | Identified the ring "Innuiro Gou" {rF+ rC+ Str+2}
183385 | Zig:16   | Identified the +10 broad axe of Revolt {protect, Fly rPois}
183425 | Zig:17   | Entered Level 17 of a ziggurat
183444 | Zig:17   | Reached skill level 27 in Fire Magic
183684 | Zig:18   | Entered Level 18 of a ziggurat
183701 | Zig:18   | Reached skill level 27 in Ranged Weapons
183714 | Zig:18   | HP: 9/218 [purple draconian/bolt of dispelling energy (22)]
183715 | Zig:18   | HP: 3/218 [black draconian knight/bolt of lightning (6)]
183716 | Zig:18   | Killed by divine providence
                  | ... invoked by a white draconian stormcaller
                  | (8 damage)
183733 | Zig:18   | Reached skill level 27 in Short Blades
183735 | Zig:18   | Reached skill level 1 in Earth Magic
183736 | Zig:18   | Reached skill level 1 in Unarmed Combat
183736 | Zig:18   | Reached skill level 1 in Poison Magic
183920 | Zig:18   | Identified the staff of conjuration "Dudylava" {rPois rF+
                  | Str+2}
183923 | Zig:18   | Identified the +0 cloak of Claustrophobia {Int+5}
183932 | Zig:18   | Identified the +8 mace of the Endless March {drain, Dex+3
                  | Stlth+}
183968 | Zig:19   | Entered Level 19 of a ziggurat
183982 | Zig:19   | Reached skill level 5 in Earth Magic
183983 | Zig:19   | Reached skill level 5 in Unarmed Combat
183983 | Zig:19   | Reached skill level 5 in Poison Magic
184020 | Zig:19   | Reached skill level 10 in Earth Magic
184051 | Zig:19   | Reached skill level 10 in Throwing
184052 | Zig:19   | Reached skill level 10 in Unarmed Combat
184052 | Zig:19   | Reached skill level 10 in Poison Magic
184250 | Zig:19   | Identified the ring "Ceorph" {rPois Will+ Str+4}
184254 | Zig:19   | Identified the staff of cold "Zofob" {Fragile rC+ Str+3
                  | Int+4}
184256 | Zig:19   | Identified the ring of Pyre {rF+ MP+9 AC+4 Dex+5}
184266 | Zig:19   | Identified the staff of air "Fierphob" {rElec Str+4}
184282 | Zig:20   | Entered Level 20 of a ziggurat
184319 | Zig:20   | Reached skill level 15 in Earth Magic
184332 | Zig:20   | HP: 7/218 [profane servitor/+2 whip (8)]
184335 | Zig:20   | HP: 3/218 [tainted leviathan/large rock (5)]
184337 | Zig:20   | Mangled by a spectral caustic shrike (10 damage)
                  | ... summoned by a shadow demon
184387 | Zig:20   | HP: 8/218 [tainted leviathan (12)]
184391 | Zig:20   | Slain by a bone dragon (12 damage)
184401 | Zig:20   | Found the +7 lajatang of Order {silver, rMut}
184417 | Zig:20   | Identified the +6 chain mail "Earthly Heaven" {rElec rN+
                  | Dex+3}
184419 | Zig:20   | Identified the +5 dagger "Achygg" {spect, rC+ Will+ Str+3}
184426 | Zig:20   | Identified the ring of Emeida {rElec rF+ Str+2}
184428 | Zig:20   | Identified the staff of death "Gifruuby" {Fly rF+ rN+ Str-3
                  | Dex+3}
184431 | Zig:21   | Entered Level 21 of a ziggurat
184443 | Zig:21   | Noticed a dread lich
184444 | Zig:21   | Noticed a dread lich
184444 | Zig:21   | Noticed a dread lich
184446 | Zig:21   | Reached skill level 15 in Unarmed Combat
184449 | Zig:21   | Reached skill level 15 in Throwing
184449 | Zig:21   | Killed a dread lich
184453 | Zig:21   | Killed a dread lich
184456 | Zig:21   | Noticed a dread lich
184458 | Zig:21   | Killed a dread lich
184462 | Zig:21   | Noticed a dread lich
184476 | Zig:21   | HP: 5/218 [bone dragon (11)]
184482 | Zig:21   | Killed a dread lich
184482 | Zig:21   | HP: 5/218 [vampire knight/+1 heavy battleaxe (2)]
184482 | Zig:21   | Slain by an eidolon (6 damage)
184486 | Zig:21   | Killed a dread lich
184494 | Zig:21   | Noticed an ancient lich
184495 | Zig:21   | Noticed a dread lich
184497 | Zig:21   | Reached skill level 15 in Poison Magic
184508 | Zig:21   | Killed a dread lich
184517 | Zig:21   | Killed an ancient lich
184529 | Zig:21   | Noticed a dread lich
184547 | Zig:21   | Killed a dread lich
184553 | Zig:21   | Killed from afar by an ancient champion (29 damage)
                  | ... with an iron shot
184577 | Zig:21   | Found the brooch of Shielding {Spirit SH+8}
184638 | Zig:21   | Identified the +6 quarterstaff "Geicruu" {pain, Str+6
                  | Int+3}
184644 | Zig:21   | Identified the ring of the First Mice {EV+5 Slay+3}
184651 | Zig:21   | Identified the +5 shortbow of Ameeddel {heavy, rPois Will+}
184660 | Zig:21   | Upgraded the game from 0.30-a0-1157-g2cc9ac7196 to
                  | 0.30-a0-1160-g6e42c06551
184683 | Zig:22   | Entered Level 22 of a ziggurat
184690 | Zig:22   | Noticed a royal mummy
184692 | Zig:22   | Noticed a royal mummy
184693 | Zig:22   | Noticed a royal mummy
184693 | Zig:22   | Noticed a royal mummy
184695 | Zig:22   | Noticed a royal mummy
184697 | Zig:22   | Killed a royal mummy
184699 | Zig:22   | Noticed a royal mummy
184700 | Zig:22   | Noticed a royal mummy
184702 | Zig:22   | Noticed a royal mummy
184704 | Zig:22   | Noticed a royal mummy
184705 | Zig:22   | Noticed a royal mummy
184707 | Zig:22   | Killed a royal mummy
184707 | Zig:22   | Noticed a royal mummy
184708 | Zig:22   | Killed a royal mummy
184708 | Zig:22   | Noticed a royal mummy
184710 | Zig:22   | Noticed a royal mummy
184710 | Zig:22   | HP: 1/201 [royal mummy/divine providence (15)]
184710 | Zig:22   | Killed by divine providence
                  | ... invoked by a royal mummy
                  | (17 damage)
184711 | Zig:22   | Noticed a royal mummy
184712 | Zig:22   | Killed a royal mummy
184714 | Zig:22   | Noticed a royal mummy
184715 | Zig:22   | Killed a royal mummy
184715 | Zig:22   | HP: 9/209 [torment (1)]
184715 | Zig:22   | HP: 4/209 [death scarab[a royal mummy] (6)]
184715 | Zig:22   | Killed by divine providence
                  | ... invoked by a mummy priest
                  | (9 damage)
184717 | Zig:22   | Killed a royal mummy
184719 | Zig:22   | Killed a royal mummy
184719 | Zig:22   | Killed a royal mummy
184720 | Zig:22   | Killed a royal mummy
184720 | Zig:22   | HP: 6/218 [something (23)]
184720 | Zig:22   | Mangled by a death scarab (13 damage)
                  | ... summoned by a royal mummy
184722 | Zig:22   | Killed a royal mummy
184722 | Zig:22   | Killed a royal mummy
184722 | Zig:22   | Lost intelligence.
184724 | Zig:22   | Killed a royal mummy
184724 | Zig:22   | Noticed a royal mummy
184725 | Zig:22   | Killed a royal mummy
184726 | Zig:22   | Killed a royal mummy
184728 | Zig:22   | Killed a royal mummy
184735 | Zig:22   | Killed a royal mummy
184747 | Zig:22   | Noticed a royal mummy
184747 | Zig:22   | Noticed a royal mummy
184747 | Zig:22   | Noticed a royal mummy
184751 | Zig:22   | HP: 4/218 [something (18)]
184752 | Zig:22   | Noticed a royal mummy
184757 | Zig:22   | Killed by a guardian mummy's death curse (14 damage)
184757 | Zig:22   | Noticed a royal mummy
184758 | Zig:22   | Killed a royal mummy
184758 | Zig:22   | Noticed a royal mummy
184758 | Zig:22   | Noticed a royal mummy
184758 | Zig:22   | Noticed a royal mummy
184760 | Zig:22   | Noticed a royal mummy
184762 | Zig:22   | Killed a royal mummy
184764 | Zig:22   | Noticed a royal mummy
184765 | Zig:22   | Killed by a guardian mummy's death curse (12 damage)
184766 | Zig:22   | Killed a royal mummy
184775 | Zig:22   | Noticed a royal mummy
184777 | Zig:22   | Noticed a royal mummy
184778 | Zig:22   | Killed a royal mummy
184778 | Zig:22   | HP: 8/218 [death scarab[a royal mummy] (8)]
184778 | Zig:22   | HP: 3/218 [death scarab[a royal mummy] (5)]
184779 | Zig:22   | Killed a royal mummy
184779 | Zig:22   | Killed by a royal mummy's death curse (12 damage)
184780 | Zig:22   | Killed a royal mummy
184787 | Zig:22   | HP: 8/218 [caustic shrike zombie (7)]
184788 | Zig:22   | Killed by divine providence
                  | ... invoked by a mummy priest
                  | (10 damage)
184790 | Zig:22   | Killed a royal mummy
184791 | Zig:22   | Killed a royal mummy
184795 | Zig:22   | Killed a royal mummy
184802 | Zig:22   | Killed a royal mummy
184804 | Zig:22   | HP: 10/218 [torment (1)]
184806 | Zig:22   | Killed by divine providence
                  | ... invoked by a mummy priest
                  | (13 damage)
184807 | Zig:22   | Killed a royal mummy
184813 | Zig:22   | Killed a royal mummy
184821 | Zig:22   | HP: 8/218 [something (15)]
184824 | Zig:22   | Killed by divine providence
                  | ... invoked by a mummy priest
                  | (15 damage)
184827 | Zig:22   | Noticed a royal mummy
184854 | Zig:22   | Killed a royal mummy
184890 | Zig:22   | HP: 10/213 [death scarab (11)]
184890 | Zig:22   | HP: 2/213 [titan zombie (8)]
184894 | Zig:22   | Slain by a death scarab (6 damage)
184942 | Zig:22   | Identified the +2 robe of Failure {Slay+3}
184945 | Zig:22   | Identified the +0 ring mail of Daywkiom {+Blink Int+3 Dex-3
                  | Stlth+}
184946 | Zig:22   | Identified the staff of cold "Sesorph" {rPois rC+ rCorr}
184947 | Zig:22   | Identified the staff of air "Noghiyrgh" {rElec rN+}
184957 | Zig:22   | Identified the +3 quarterstaff "Gargoyle's Bane" {venom,
                  | rPois rF++ rC- Int+2}
184958 | Zig:22   | Identified the ring of Qenneng {rElec rN++ Int+6 Stlth-}
184961 | Zig:22   | Identified the +2 war axe "Axtuawea" {freeze, Fragile Dex+3
                  | SInv}
184963 | Zig:22   | Identified the +2 fire dragon scales "Yluzets" {rF++ rC-
                  | rN+ rCorr}
184990 | Zig:23   | Entered Level 23 of a ziggurat
185001 | Zig:23   | Paralysed by accursed screaming for 1 turns
185017 | Zig:23   | Paralysed by accursed screaming for 2 turns
185028 | Zig:23   | HP: 4/218 [bone dragon (12)]
185029 | Zig:23   | Killed by divine providence
                  | ... invoked by a smoke demon
                  | (12 damage)
185048 | Zig:23   | Paralysed by accursed screaming for 2 turns
185067 | Zig:23   | Killed from afar by a starcursed mass (43 damage)
                  | ... with an accursed screaming
185083 | Zig:23   | HP: 8/218 [hellephant (15)]
185084 | Zig:23   | Demolished by a hellephant (27 damage)
185105 | Zig:23   | Paralysed by accursed screaming for 2 turns
185108 | Zig:23   | Lost intelligence.
185113 | Zig:23   | Paralysed by accursed screaming for 2 turns
185113 | Zig:23   | Killed from afar by a smoke demon (28 damage)
                  | ... with a ball of steam
                  | ... while paralysed by accursed screaming
185121 | Zig:23   | Paralysed by accursed screaming for 1 turns
185122 | Zig:23   | Gained mutation: Armour fits poorly on your strangely
                  | shaped body. [a neqoxec]
185282 | Zig:23   | Identified the staff of cold "Xuno" {*Slow rF+++ rC+ rCorr
                  | Str-5}
185288 | Zig:23   | Identified the ring of Uceil {+Blink rC+ rN+ Int+2}
185295 | Zig:23   | Identified the amulet "Isoib" {Acrobat MP+9}
185300 | Zig:23   | Identified the +0 chain mail of Absence {rCorr}
185307 | Zig:23   | Identified the ring "Nibussut" {rF+ rN+ Int+3}
185311 | Zig:23   | Identified the +3 mace "Jilyn" {pain, Dex+3 SInv}
185312 | Zig:23   | Identified the +4 plate armour of Serendipity {Fly SInv}
185316 | Zig:23   | Acquired 766 gold pieces
185348 | Zig:24   | Entered Level 24 of a ziggurat
185368 | Zig:24   | Lost mutation: Your magical capacity is low. (-10% MP)
                  | [potion of mutation]
185368 | Zig:24   | Lost mutation: You are weak. (Str -2) [potion of mutation]
185368 | Zig:24   | Lost mutation: A frigid envelope surrounds you and freezes
                  | all who hurt you. [potion of mutation]
185368 | Zig:24   | Lost mutation: You are robust. (+10% HP) [potion of
                  | mutation]
185368 | Zig:24   | Gained mutation: You are highly strong-willed. (Will++)
                  | [potion of mutation]
185369 | Zig:24   | Lost mutation: Armour fits poorly on your strangely shaped
                  | body. [potion of mutation]
185369 | Zig:24   | Lost mutation: You possess an exceptional clarity of mind.
                  | [potion of mutation]
185369 | Zig:24   | Lost mutation: You are highly strong-willed. (Will++)
                  | [potion of mutation]
185369 | Zig:24   | Gained mutation: Your flesh is cold resistant. (rC+)
                  | [potion of mutation]
185369 | Zig:24   | Gained mutation: You are partially covered in iridescent
                  | scales. (AC +2) [potion of mutation]
185409 | Zig:24   | Paralysed by an air elemental for 1 turns
185418 | Zig:24   | HP: 3/199 [deep elf zephyrmancer/bolt of lightning (10)]
185418 | Zig:24   | Killed from afar by a deep elf zephyrmancer (3 damage)
                  | ... with a bolt of lightning
185426 | Zig:24   | Paralysed by an air elemental for 1 turns
185446 | Zig:24   | Killed from afar by a deep elf high priest (28 damage)
                  | ... with damnation
185484 | Zig:24   | Gained mutation: Your magical capacity is low. (-10% MP) [a
                  | cacodemon]
185499 | Zig:24   | Killed from afar by a deep elf high priest (24 damage)
                  | ... with damnation
185522 | Zig:24   | HP: 6/198 [deep elf archer/arrow (10)]
185530 | Zig:24   | Killed by divine providence
                  | ... invoked by a smoke demon
                  | ... summoned by a deep elf demonologist
                  | (15 damage)
185605 | Zig:24   | Found the +5 scythe "Finisher" {speed, execute}
185621 | Zig:24   | Identified the +2 long sword "Damnowe" {flame, rPois rC+}
185623 | Zig:24   | Identified the staff of death "Pojew" {rN+ Dex+4 SInv}
185625 | Zig:24   | Identified the +9 ice dragon scales of Misanthropy {rElec
                  | rF- rC++}
185626 | Zig:24   | Identified the +8 dagger of Semy {freeze, MP+9}
185632 | Zig:24   | Identified the +2 longbow of Destiny {drain, Dex+3}
185638 | Zig:24   | Identified the +5 shortbow of Intuition {speed, rN+ Will-
                  | Str+3}
185640 | Zig:24   | Identified the +3 plate armour of Crawling {rF- rC+ Str+2}
185641 | Zig:24   | Identified the +7 lajatang "Panimy" {venom, Fly Str-5 Dex+8
                  | Stlth+}
185654 | Zig:24   | Identified the staff of death "Zadgh" {rN+ Int+6}
185660 | Zig:24   | Identified the staff of earth "Xila Cad" {Fly}
185667 | Zig:25   | Entered Level 25 of a ziggurat
185714 | Zig:25   | HP: 9/199 [acid (2)]
185715 | Zig:25   | Killed from afar by an acid blob (11 damage)
                  | ... with a splash of acid
185983 | Zig:25   | Found the +7 captain's cutlass {speed, disarm}
185986 | Zig:25   | Found the +13 scythe of Curses {drain, curses, Drain}
185996 | Zig:25   | Identified the +2 mace of Qavyr {venom, rCorr Str+3 Stlth+}
186075 | Zig:26   | Entered Level 26 of a ziggurat
186089 | Zig:26   | Noticed a juggernaut
186089 | Zig:26   | Noticed a juggernaut
186090 | Zig:26   | Noticed a juggernaut
186090 | Zig:26   | Noticed a juggernaut
186090 | Zig:26   | Noticed a juggernaut
186094 | Zig:26   | Killed a juggernaut
186097 | Zig:26   | Noticed a juggernaut
186097 | Zig:26   | Killed a juggernaut
186098 | Zig:26   | Noticed a juggernaut
186101 | Zig:26   | Noticed a juggernaut
186102 | Zig:26   | Killed a juggernaut
186103 | Zig:26   | Reached skill level 27 in Earth Magic
186104 | Zig:26   | Killed a juggernaut
186106 | Zig:26   | Killed a juggernaut
186108 | Zig:26   | Killed a juggernaut
186113 | Zig:26   | Killed a juggernaut
186118 | Zig:26   | Killed a juggernaut
186138 | Zig:26   | Killed by divine providence
                  | ... invoked by an orc high priest
                  | (14 damage)
186167 | Zig:26   | HP: 5/199 [orc high priest/divine providence (10)]
186175 | Zig:26   | Killed by divine providence
                  | ... invoked by an orc high priest
                  | (11 damage)
186263 | Zig:26   | Identified the +10 short sword "Soxumiopo" {freeze, rElec
                  | Int+3}
186273 | Zig:26   | Identified the +6 morningstar "Tobouk" {freeze, rC+ Str+3
                  | Dex+5}
186274 | Zig:26   | Identified the amulet "Vyke" {Reflect Rampage rPois rCorr
                  | Str-2 SH+5}
186276 | Zig:26   | Identified the ring "Oroloju" {rPois Will+}
186292 | Zig:26   | Identified the staff of air "Reavvaocle" {rElec rC+}
186295 | Zig:26   | Identified the +0 plate armour of the Original Sin {Int+4}
186323 | Zig:27   | Entered Level 27 of a ziggurat
186367 | Zig:27   | Killed from afar by a deep elf high priest (29 damage)
                  | ... with damnation
186388 | Zig:27   | Found the +11 Singing Sword {sonic wave}
186389 | Zig:27   | Found the +8 longbow "Zephyr" {speed, Dex+3 SInv}
186392 | Zig:27   | Reached skill level 27 in Unarmed Combat
186394 | Zig:27   | HP: 4/199 [deep elf master archer/arrow (10)]
186395 | Zig:27   | Killed by divine providence
                  | ... invoked by a deep elf high priest
                  | (16 damage)
186405 | Zig:27   | HP: 5/199 [deep elf high priest/divine providence (10)]
186407 | Zig:27   | Killed by divine providence
                  | ... invoked by a deep elf high priest
                  | (11 damage)
186446 | Zig:27   | Identified the +6 sling "Adghiadop" {freeze, rC+ Int+3}
186450 | Zig:27   | Identified the ring of Mosiagg {Fly rF++ Dex+3}
186501 | Zig:27   | Identified the staff of air "Voew" {rElec rN+}
186505 | Zig:27   | Identified the +5 dagger of the Madman {venom, Str+3 Int+2}
186513 | Zig:27   | Identified the +0 rapier "Gyept" {drain, Stlth+}
186519 | Zig:27   | Identified the +0 plate armour of Parts Unknown {Int+2}
186524 | Zig:27   | Identified the staff of cold "Giblapra" {rElec rC+ Str+3
                  | Int+3 Dex+3}
186525 | Zig:27   | Identified the staff of cold "Sompowant" {rC+ rN+ Will-
                  | rCorr Int+3}
186526 | Zig:27   | Identified the +12 falchion of Iconoclasm {spect, MP+9
                  | Str+3}
186528 | Zig:27   | Identified the amulet "Ineffab" {Faith Dex+3}
186582 | Zig:1    | Entered Level 1 of a ziggurat
187142 | Zig:2    | Entered Level 2 of a ziggurat
187142 | Zig:2    | Noticed an ancient lich
187142 | Zig:2    | Noticed a dread lich
187142 | Zig:2    | Noticed an ancient lich
187148 | Zig:2    | Killed an ancient lich
187149 | Zig:2    | Reached skill level 1 in Hexes
187149 | Zig:2    | Reached skill level 1 in Translocations
187149 | Zig:2    | Reached skill level 1 in Air Magic
187152 | Zig:2    | Killed an ancient lich
187153 | Zig:2    | Killed a dread lich
187241 | Zig:2    | Identified the ring of Hospitality {Fly rF- Will+ rCorr}
187246 | Zig:3    | Entered Level 3 of a ziggurat
187484 | Zig:4    | Entered Level 4 of a ziggurat
187504 | Zig:5    | Entered Level 5 of a ziggurat
187513 | Zig:5    | Killed from afar by a hellephant (46 damage)
                  | ... with a blast of flame
187523 | Zig:5    | HP: 4/199 [searing wretch (17)]
187526 | Zig:5    | Killed from afar by a hellephant (38 damage)
                  | ... with a blast of flame
187818 | Zig:6    | Entered Level 6 of a ziggurat
187819 | Zig:6    | Paralysed by an air elemental for 1 turns
187822 | Zig:6    | Reached skill level 5 in Hexes
187822 | Zig:6    | Reached skill level 5 in Translocations
187897 | Zig:7    | Entered Level 7 of a ziggurat
187899 | Zig:7    | Noticed a juggernaut
187901 | Zig:7    | Reached skill level 5 in Air Magic
187901 | Zig:7    | Noticed a juggernaut
187903 | Zig:7    | Noticed a juggernaut
187919 | Zig:7    | Killed a juggernaut
187924 | Zig:7    | Killed a juggernaut
187932 | Zig:7    | Killed a juggernaut
187933 | Zig:7    | Found the +11 plutonium sword {Contam Stlth-}
187948 | Zig:7    | Identified the ring of Descent {EV+5 SInv}
187950 | Zig:7    | Identified the +6 flail "Paoptum" {pain, rPois Str+2}
187958 | Zig:8    | Entered Level 8 of a ziggurat
188069 | Zig:8    | Identified the staff of conjuration "Kadghi" {rC+ rCorr
                  | Str+6 Stlth+}
188111 | Zig:9    | Entered Level 9 of a ziggurat
188113 | Zig:9    | Noticed a dread lich
188114 | Zig:9    | Noticed an ancient lich
188114 | Zig:9    | Noticed an ancient lich
188115 | Zig:9    | Noticed a dread lich
188118 | Zig:9    | Noticed a dread lich
188120 | Zig:9    | Killed a dread lich
188120 | Zig:9    | Killed a dread lich
188124 | Zig:9    | Killed a dread lich
188126 | Zig:9    | Killed an ancient lich
188126 | Zig:9    | Noticed a dread lich
188130 | Zig:9    | Killed an ancient lich
188144 | Zig:9    | Killed a dread lich
188165 | Zig:9    | Found the +7 staff of the Meek {protect, meekguard}
188170 | Zig:9    | Identified the ring "Betori" {Wiz SInv}
188172 | Zig:9    | Identified the +9 dire flail of Fimbulwinter {pain, Str+5}
188426 | Zig:9    | Identified the +1 arbalest "Viyz Qol" {penet, rPois rF++
                  | Int-5 Stlth-}
188428 | Zig:9    | Identified the +11 rapier of Income {freeze, Fragile rElec
                  | rF- Int+6}
188429 | Zig:9    | Identified the +0 halberd of Pechom {holy, Str+3 Int+3}
188436 | Zig:9    | Identified the +0 ring mail "Donesib" {-Cast Slay+5}
188437 | Zig:9    | Identified the ring "Meschul" {Drain Will+ rCorr Dex+3}
188474 | Zig:10   | Entered Level 10 of a ziggurat
188873 | Zig:10   | Identified the +2 dagger of Xihim {heavy, rCorr}
188884 | Zig:10   | Identified the staff of conjuration "Qolaih" {rElec Dex+4}
188914 | Zig:11   | Entered Level 11 of a ziggurat
188916 | Zig:11   | Noticed Nism the pandemonium lord
188916 | Zig:11   | Noticed Zigeusm the pandemonium lord
188916 | Zig:11   | Noticed Ynaxafre the pandemonium lord
188917 | Zig:11   | Noticed Voumayne the pandemonium lord
188917 | Zig:11   | Noticed Teoxaodd the pandemonium lord
188917 | Zig:11   | Noticed Egokhuc the pandemonium lord
188917 | Zig:11   | Noticed Fyxziymp the pandemonium lord
188917 | Zig:11   | Noticed Eggioreh the pandemonium lord
188918 | Zig:11   | Noticed Niru the pandemonium lord
188918 | Zig:11   | Noticed Dept the pandemonium lord
188918 | Zig:11   | Noticed Yqyphar the pandemonium lord
188918 | Zig:11   | Noticed Yxaekaq the pandemonium lord
188918 | Zig:11   | Noticed Qidaudd the pandemonium lord
188918 | Zig:11   | Noticed Utog the pandemonium lord
188918 | Zig:11   | Noticed Meurygol the pandemonium lord
188919 | Zig:11   | Noticed Wyrruafabb the pandemonium lord
188919 | Zig:11   | Noticed Ogyippar the pandemonium lord
188919 | Zig:11   | Noticed Qouf the pandemonium lord
188919 | Zig:11   | Noticed Cudouj the pandemonium lord
188919 | Zig:11   | Noticed Sauz the pandemonium lord
188919 | Zig:11   | Noticed Jamuez the pandemonium lord
188919 | Zig:11   | Noticed Cerph the pandemonium lord
188919 | Zig:11   | Noticed Issil the pandemonium lord
188923 | Zig:11   | Killed Sauz the pandemonium lord
188924 | Zig:11   | Killed Dept the pandemonium lord
188924 | Zig:11   | Killed Issil the pandemonium lord
188925 | Zig:11   | Reached skill level 10 in Hexes
188925 | Zig:11   | Killed Eggioreh the pandemonium lord
188926 | Zig:11   | Reached skill level 10 in Translocations
188927 | Zig:11   | Killed Egokhuc the pandemonium lord
188928 | Zig:11   | Killed Yxaekaq the pandemonium lord
188929 | Zig:11   | Killed Ynaxafre the pandemonium lord
188935 | Zig:11   | Killed Niru the pandemonium lord
188937 | Zig:11   | HP: 9/199 [eldritch tentacle[Ynaxafre] (11)]
188938 | Zig:11   | Killed Jamuez the pandemonium lord
188939 | Zig:11   | Killed Ogyippar the pandemonium lord
188939 | Zig:11   | Killed Zigeusm the pandemonium lord
188940 | Zig:11   | Killed Teoxaodd the pandemonium lord
188946 | Zig:11   | Killed Qouf the pandemonium lord
188947 | Zig:11   | Killed Cudouj the pandemonium lord
188948 | Zig:11   | Killed Cerph the pandemonium lord
188951 | Zig:11   | Killed Wyrruafabb the pandemonium lord
188951 | Zig:11   | Killed Voumayne the pandemonium lord
188953 | Zig:11   | Killed Utog the pandemonium lord
188953 | Zig:11   | HP: 9/199 [Nism the pandemonium lord (4)]
188954 | Zig:11   | HP: 2/199 [Nism the pandemonium lord (4)]
188955 | Zig:11   | Killed Meurygol the pandemonium lord
188958 | Zig:11   | Demolished by Nism the pandemonium lord (21 damage)
188960 | Zig:11   | Killed Qidaudd the pandemonium lord
188967 | Zig:11   | Killed Nism the pandemonium lord
188974 | Zig:11   | Killed Fyxziymp the pandemonium lord
188975 | Zig:11   | Reached skill level 10 in Air Magic
188986 | Zig:11   | Killed Yqyphar the pandemonium lord
189077 | Zig:11   | Identified the ring "Jautiyg" {rCorr Dex+6}
189079 | Zig:11   | Identified the staff of air "Cietyos" {+Blink Fly rElec rF+
                  | rC-}
189080 | Zig:11   | Identified the +5 hand axe "Leviticus" {drain, rF- Str+3
                  | Dex+3}
189084 | Zig:11   | Identified the +5 leather armour of Lust {MP+9}
189085 | Zig:11   | Identified the +1 leather armour of Okawaru's Castigation
                  | {Dex+2}
189100 | Zig:12   | Entered Level 12 of a ziggurat
189106 | Zig:12   | Noticed Ytob the pandemonium lord
189106 | Zig:12   | Found the +7 mace of Variability {chaos, chaos arc}
189106 | Zig:12   | Found the +1 cloak of Starlight {*Dazzle EV+4 Stlth--}
189131 | Zig:12   | Killed Ytob the pandemonium lord
189475 | Zig:12   | Identified the +6 plate armour "Riqaj" {Int+3 Stlth+}
189483 | Zig:12   | Identified the +5 morningstar of Simeclod {elec, rN+}
189502 | Zig:13   | Entered Level 13 of a ziggurat
189513 | Zig:13   | Noticed a dread lich
189518 | Zig:13   | Killed a dread lich
189534 | Zig:13   | Identified the +9 spear "Trog's Fury" {heavy, rCorr MP-9
                  | Str+8}
189846 | Zig:13   | Identified the +9 spear of Huiguech {flame, Contam rPois
                  | rCorr}
189862 | Zig:13   | Identified the +7 flail of Bait {freeze, Fragile Int+5 SInv
                  | Stlth+}
189900 | Zig:14   | Entered Level 14 of a ziggurat
189911 | Zig:14   | Reached skill level 27 in Poison Magic
190060 | Zig:14   | Identified the ring "Assinesk" {Ice rPois Str+5 Int+3}
190063 | Zig:14   | Identified the staff of poison "Fotu" {*Slow rElec rPois
                  | rF+ Stlth+}
190064 | Zig:14   | Identified the +1 pair of boots of Cemy {Rampage rC- Str-5
                  | Int+8}
190071 | Zig:14   | Identified the +11 long sword of Xyaddeh {venom, rElec
                  | rCorr}
190072 | Zig:14   | Identified the staff of earth "Muheqod" {rC- Will- Str+3
                  | Int+6}
190077 | Zig:15   | Entered Level 15 of a ziggurat
190087 | Zig:15   | Noticed an ancient lich
190087 | Zig:15   | Found the amulet of Elemental Vulnerability {rPois rF--
                  | rC-- AC+8}
190087 | Zig:15   | Found the +9 sword of Zonguldrok {reap}
190089 | Zig:15   | Reached skill level 27 in Throwing
190097 | Zig:15   | Killed an ancient lich
190105 | Zig:15   | Reached skill level 15 in Hexes
190106 | Zig:15   | Reached skill level 15 in Translocations
190109 | Zig:15   | Slain by a nargun (17 damage)
190256 | Zig:15   | Identified the ring "Ymeellu" {Will+ Int+3}
190275 | Zig:15   | Identified the +4 long sword of Mirhas {freeze, *Rage rCorr
                  | SInv}
190277 | Zig:15   | Identified the staff of air "Qiebimut" {rElec rC+++ rCorr
                  | Str+3 Int-4}
190283 | Zig:16   | Entered Level 16 of a ziggurat
190312 | Zig:16   | Reached skill level 15 in Air Magic
190323 | Zig:16   | Mangled by an iron golem (21 damage)
190338 | Zig:16   | HP: 9/199 [iron golem (26)]
190338 | Zig:16   | Demolished by an iron golem (25 damage)
190701 | Zig:16   | Identified the +4 trident "Arucett" {venom, rCorr}
190703 | Zig:16   | Identified the +2 chain mail of Grace {Dex+3}
190704 | Zig:16   | Identified the ring "Bemig" {Will+ Str+6}
190708 | Zig:16   | Identified the +6 flail of the Three Souls {venom, rPois}
190737 | Zig:17   | Entered Level 17 of a ziggurat
190760 | Zig:17   | HP: 8/199 [Ice Fiend/bolt of cold (12)]
190762 | Zig:17   | HP: 3/199 [blizzard demon/bolt of lightning (6)]
190762 | Zig:17   | Killed by the air
                  | ... invoked by a blizzard demon
                  | (28 damage)
190772 | Zig:17   | HP: 9/199 [??? (1)]
190774 | Zig:17   | Slain by a blizzard demon (10 damage)
190787 | Zig:17   | HP: 7/199 [Ice Fiend (25)]
190792 | Zig:17   | HP: 5/199 [blizzard demon] (4)]
190794 | Zig:17   | Engulfed by a cloud of freezing vapour (7 damage)
190816 | Zig:17   | Learned a level 9 spell: Fire Storm
190826 | Zig:17   | Learned a level 9 spell: Dragon's Call
190835 | Zig:17   | Learned a level 8 spell: Discord
190845 | Zig:17   | Learned a level 9 spell: Chain Lightning
190854 | Zig:17   | Learned a level 8 spell: Ignition
190863 | Zig:17   | Learned a level 8 spell: Infestation
190869 | Zig:17   | Lost mutation: You are partially covered in iridescent
                  | scales. (AC +2) [potion of mutation]
190869 | Zig:17   | Lost mutation: You have a pair of small horns on your head.
                  | [potion of mutation]
190869 | Zig:17   | Gained mutation: You are partially covered in iridescent
                  | scales. (AC +2) [potion of mutation]
190869 | Zig:17   | Gained mutation: You are frail. (-10% HP) [potion of
                  | mutation]
190870 | Zig:17   | Lost mutation: You are partially covered in iridescent
                  | scales. (AC +2) [potion of mutation]
190870 | Zig:17   | Lost mutation: You are dopey. (Int -2) [potion of mutation]
190870 | Zig:17   | Gained mutation: Your body sometimes deteriorates upon
                  | taking damage. [potion of mutation]
190870 | Zig:17   | Gained mutation: Your movements are slightly less
                  | encumbered by armour. (ER -2) [potion of mutation]
190871 | Zig:17   | Lost mutation: Your spells are easier to cast, but less
                  | powerful. [potion of mutation]
190871 | Zig:17   | Lost mutation: Your spells are a little easier to cast, but
                  | a little less powerful. [potion of mutation]
190871 | Zig:17   | Lost mutation: Your magical capacity is low. (-10% MP)
                  | [potion of mutation]
190871 | Zig:17   | Gained mutation: You are partially covered in large bone
                  | plates. (SH +4) [potion of mutation]
190873 | Zig:17   | Lost mutation: Your body sometimes deteriorates upon taking
                  | damage. [potion of mutation]
190873 | Zig:17   | Lost mutation: Your flesh is cold resistant. (rC+) [potion
                  | of mutation]
190873 | Zig:17   | Lost mutation: Your movements are slightly less encumbered
                  | by armour. (ER -2) [potion of mutation]
190873 | Zig:17   | Gained mutation: You passively map a small area around you.
                  | [potion of mutation]
190873 | Zig:17   | Gained mutation: You are vulnerable to heat. (rF-) [potion
                  | of mutation]
190873 | Zig:17   | Gained mutation: Your flesh is cold resistant. (rC+)
                  | [potion of mutation]
190873 | Zig:17   | Gained mutation: Your mind is acute. (Int +4, Str/Dex -1)
                  | [potion of mutation]
190889 | Zig:17   | Identified the staff of conjuration "Marow" {SInv}
190890 | Zig:17   | Identified the ring "Jaefiphi" {*Slow rElec rN+ Int+2 SInv}
190901 | Zig:17   | Identified the +9 mace "Jellybane" {heavy, rElec Stlth+}
190904 | Zig:17   | Identified the +1 falchion of Fukutim {elec, SInv}
190931 | Zig:17   | Identified the +5 scale mail of the Red God {rF+ rN+}
190933 | Zig:17   | Identified the amulet of Departure {Regen+ Dex+3}
190954 | Zig:18   | Entered Level 18 of a ziggurat
190993 | Zig:18   | HP: 1/179 [white draconian stormcaller/divine providence
                  | (15)]
190994 | Zig:18   | Killed from afar by a yellow draconian annihilator (12
                  | damage)
                  | ... with a glob of acid
191049 | Zig:18   | Identified the +7 scimitar of Uskayaw's Supremacy {drain,
                  | rElec rC++ Will- MP+9}
191065 | Zig:18   | Identified the ring of Zegith {Fire Contam rCorr Int+3
                  | Dex+3}
191077 | Zig:18   | Identified the +0 chain mail "Omnuk" {rCorr Stlth+}
191081 | Zig:18   | Got the Meditations on Glaciation and Zombies
191129 | Zig:19   | Entered Level 19 of a ziggurat
191159 | Zig:19   | HP: 2/179 [yellow draconian annihilator/iron shot (15)]
191161 | Zig:19   | Slain by a death scarab (6 damage)
                  | ... created by the player character
191178 | Zig:19   | Killed by divine providence
                  | ... invoked by a white draconian stormcaller
                  | (16 damage)
191188 | Zig:19   | Killed by divine providence
                  | ... invoked by a white draconian stormcaller
                  | (14 damage)
191203 | Zig:19   | Killed by divine providence
                  | ... invoked by a white draconian stormcaller
                  | (14 damage)
191215 | Zig:19   | HP: 6/179 [yellow draconian annihilator/bolt of lightning
                  | (9)]
191216 | Zig:19   | Killed by divine providence
                  | ... invoked by a white draconian stormcaller
                  | (7 damage)
191416 | Zig:19   | Identified the +4 chain mail of the Leaf {*Corrode rC+
                  | Will+ Dex+6}
191418 | Zig:19   | Identified the ring "Fiejal" {rPois rF+ rCorr Int-3}
191423 | Zig:19   | Identified the staff of cold "Ucuce" {Fly rC+ Str+2 Dex-5}
191428 | Zig:19   | Identified the +3 hand axe "Zeup" {pain, rPois rF+ Stlth+}
191453 | Zig:19   | Lost mutation: You are partially covered in large bone
                  | plates. (SH +4) [potion of mutation]
191453 | Zig:19   | Lost mutation: You are strong-willed. (Will+) [potion of
                  | mutation]
191453 | Zig:19   | Gained mutation: You are partially covered in large bone
                  | plates. (SH +4) [potion of mutation]
191453 | Zig:19   | Gained mutation: You are weak. (Str -2) [potion of
                  | mutation]
191453 | Zig:19   | Gained mutation: You are agile. (Dex +4, Str/Int -1)
                  | [potion of mutation]
191454 | Zig:19   | Lost mutation: You are weak. (Str -2) [potion of mutation]
191454 | Zig:19   | Lost mutation: Your flesh is cold resistant. (rC+) [potion
                  | of mutation]
191454 | Zig:19   | Lost mutation: You are frail. (-10% HP) [potion of
                  | mutation]
191454 | Zig:19   | Lost mutation: Your mind is acute. (Int +4, Str/Dex -1)
                  | [potion of mutation]
191454 | Zig:19   | Lost mutation: You are vulnerable to heat. (rF-) [potion of
                  | mutation]
191454 | Zig:19   | Gained mutation: You are somewhat resistant to further
                  | mutation. [potion of mutation]
191477 | Zig:20   | Entered Level 20 of a ziggurat
191502 | Zig:20   | HP: 7/199 [Hell Sentinel/iron shot (38)]
191506 | Zig:20   | Demolished by an iron golem (22 damage)
191520 | Zig:20   | Killed from afar by an iron giant (41 damage)
                  | ... with an iron shot
191954 | Zig:20   | Identified the +0 cloak of a Labyrinth {rElec rC- Int+5}
191955 | Zig:20   | Identified the ring of Xom's Full Attention {Str+8 Int+6}
191962 | Zig:20   | Identified the +5 flail "Woxkagus" {pain, rPois rCorr MP-9
                  | Dex-5}
191969 | Zig:20   | Identified the +0 dagger "Yddagown" {freeze, rC- Str+4}
191970 | Zig:20   | Identified the +3 halberd "Juxou" {antimagic, rPois Will-
                  | Int+5 Stlth+}
191978 | Zig:20   | Identified the staff of earth "Irhilini" {rElec rPois rN++
                  | Str-4}
191979 | Zig:20   | Identified the +9 war axe of Puymas {heavy, rPois Will+}
191981 | Zig:20   | Identified the ring "Vorph" {rPois Dex+2 Stlth+}
191994 | Zig:21   | Entered Level 21 of a ziggurat
192208 | Zig:21   | Identified the staff of air "Lon Cipueso" {rElec rPois}
192276 | Zig:21   | Identified the +0 rapier "Fyuge" {speed, rN+ Will+ Dex+3}
192279 | Zig:21   | Identified the staff of cold "Pusukk" {rF++ rC+}
192284 | Zig:21   | Identified the +5 quarterstaff of the Jolly Beds {freeze,
                  | rC+}
192290 | Zig:21   | Identified the staff of fire "Yrinei Ymoav" {Fly rPois rF+
                  | SInv}
192299 | Zig:22   | Entered Level 22 of a ziggurat
192322 | Zig:22   | HP: 8/199 [balrug/divine providence (14)]
192323 | Zig:22   | Slain by a demonspawn warmonger
                  | ... wielding a +0 demon blade of draining
                  | (9 damage)
192333 | Zig:22   | HP: 5/199 [doom hound (8)]
192333 | Zig:22   | Annihilated by a doom hound (44 damage)
192345 | Zig:22   | Killed from afar by a Hell Sentinel (37 damage)
                  | ... with damnation
192359 | Zig:22   | HP: 2/199 [demonspawn warmonger/+4 battleaxe of freezing
                  | (18)]
192359 | Zig:22   | Slain by a demonspawn warmonger
                  | ... wielding a +4 battleaxe of freezing
                  | (2 damage)
192365 | Zig:22   | Noticed Ofappyug the pandemonium lord
192371 | Zig:22   | HP: 2/199 [balrug/divine providence (11)]
192372 | Zig:22   | Mangled by a Brimstone Fiend (15 damage)
192391 | Zig:22   | HP: 7/199 [Ice Fiend (16)]
192391 | Zig:22   | Annihilated by an Ice Fiend (35 damage)
192405 | Zig:22   | HP: 3/199 [Ofappyug the pandemonium lord (34)]
192406 | Zig:22   | Engulfed by a cloud of flame (12 damage)
192417 | Zig:22   | Killed Ofappyug the pandemonium lord
192750 | Zig:22   | Identified the +8 whip of the Shouting Pariah {venom,
                  | rCorr}
192758 | Zig:22   | Identified the +4 rapier "Bireunub" {freeze, rCorr}
192760 | Zig:22   | Identified the amulet "Geitudal" {Spirit Rampage Str+3}
192764 | Zig:22   | Identified the staff of death "Noapumne" {rElec rN+ Int+3
                  | Stlth+}
192769 | Zig:22   | Identified the staff of cold "Vejuisimu" {rPois rC+ rN+
                  | Will+ Str+3}
192781 | Zig:22   | Identified the +9 glaive of Change {venom, Will+ Int+3
                  | Dex+2}
192785 | Zig:23   | Entered Level 23 of a ziggurat
192873 | Zig:23   | Identified the +2 robe of the Summoning Gods {Will+ Str-3
                  | Dex+8 Archmagi}
193209 | Zig:23   | Identified the staff of fire "Dorr" {rF+ rC- rCorr Str+4
                  | SInv}
193211 | Zig:23   | Identified the staff of poison "Lodollu" {rElec rPois Int+2
                  | Dex+2 Stlth-}
193215 | Zig:23   | Identified the +3 rapier "Lyuki Raapsa" {freeze, Fly Str-5
                  | Int+4}
193216 | Zig:23   | Identified the staff of death "Doluol" {rElec rN+ Int+3}
193245 | Zig:24   | Entered Level 24 of a ziggurat
193257 | Zig:24   | Noticed an ancient lich
193262 | Zig:24   | Killed from afar by a balrug (27 damage)
                  | ... with a bolt of fire
193264 | Zig:24   | Killed an ancient lich
193267 | Zig:24   | Killed from afar by a hellephant (56 damage)
                  | ... with a blast of flame
193271 | Zig:24   | HP: 2/199 [balrug/divine providence (9)]
193273 | Zig:24   | Killed from afar by a hellephant (10 damage)
                  | ... with a blast of flame
193277 | Zig:24   | Killed by divine providence
                  | ... invoked by a balrug
                  | (12 damage)
193279 | Zig:24   | HP: 2/199 [searing wretch (9)]
193279 | Zig:24   | Demolished by a searing wretch (19 damage)
193281 | Zig:24   | Killed from afar by a hellephant (72 damage)
                  | ... with a blast of flame
193284 | Zig:24   | Found the +7 great mace "Undeadhunter" {deathbane, rN+}
193285 | Zig:24   | Annihilated by a searing wretch (51 damage)
193299 | Zig:24   | HP: 2/199 [hellephant/blast of flame (9)]
193310 | Zig:24   | Killed from afar by a hellephant (33 damage)
                  | ... with a blast of flame
193426 | Zig:24   | Identified the staff of air "Kajyup" {rElec Str+6}
193541 | Zig:24   | Identified the +7 glaive of Berchow {heavy, rPois rF+ Will+
                  | Dex-4}
193551 | Zig:24   | Identified the +1 kite shield "Xud Ack" {rC+ rN+ rCorr
                  | Str-3}
193565 | Zig:24   | Identified the +4 leather armour of Palywk {rC+++ Dex-2
                  | Slay-4 Stlth+}
193580 | Zig:25   | Entered Level 25 of a ziggurat
193612 | Zig:25   | HP: 3/199 [water nymph/the raging water (14)]
193613 | Zig:25   | Killed from afar by a merfolk aquamancer (9 damage)
                  | ... with a torrent of water
193657 | Zig:25   | Found the ring of the Octopus King
193663 | Zig:25   | Identified the staff of fire "Xotwo Lelysm" {Drain rPois
                  | rF+ Dex+4}
193669 | Zig:25   | Identified the amulet "Yridd" {RegenMP Dex+2}
193672 | Zig:25   | Identified a ring of the Octopus King {Wiz HP+2 AC+2 EV+2
                  | SH+2}
193729 | Zig:25   | Identified the staff of earth "Seys" {rPois rCorr}
193739 | Zig:25   | Identified the +1 battleaxe of Expedience {chaos, rElec}
193744 | Zig:25   | Identified the staff of death "Xeadd" {+Blink rC+ rN+ rCorr
                  | Dex+3}
193748 | Zig:25   | Identified the ring "Cexomebe" {Fire *Slow rPois Dex+6}
193750 | Zig:25   | Identified the staff of air "Kinudug" {rElec rPois}
193767 | Zig:26   | Entered Level 26 of a ziggurat
193782 | Zig:26   | Noticed an ancient lich
193783 | Zig:26   | Noticed an ancient lich
193783 | Zig:26   | Noticed an ancient lich
193783 | Zig:26   | Noticed a dread lich
193784 | Zig:26   | Noticed an ancient lich
193785 | Zig:26   | Noticed an ancient lich
193785 | Zig:26   | Noticed an ancient lich
193785 | Zig:26   | Noticed a dread lich
193785 | Zig:26   | Noticed an ancient lich
193785 | Zig:26   | Noticed an ancient lich
193785 | Zig:26   | Noticed a dread lich
193785 | Zig:26   | Noticed an ancient lich
193786 | Zig:26   | Noticed a dread lich
193788 | Zig:26   | Killed a dread lich
193788 | Zig:26   | Killed an ancient lich
193788 | Zig:26   | Killed a dread lich
193788 | Zig:26   | Killed an ancient lich
193788 | Zig:26   | Noticed an ancient lich
193789 | Zig:26   | Reached skill level 27 in Hexes
193789 | Zig:26   | Reached skill level 27 in Translocations
193789 | Zig:26   | Killed an ancient lich
193789 | Zig:26   | Killed an ancient lich
193789 | Zig:26   | Noticed an ancient lich
193789 | Zig:26   | Noticed a dread lich
193789 | Zig:26   | Noticed an ancient lich
193790 | Zig:26   | Killed a dread lich
193790 | Zig:26   | Killed an ancient lich
193790 | Zig:26   | Killed a dread lich
193790 | Zig:26   | Killed an ancient lich
193790 | Zig:26   | Noticed an ancient lich
193791 | Zig:26   | Killed an ancient lich
193792 | Zig:26   | Noticed a dread lich
193793 | Zig:26   | Noticed an ancient lich
193793 | Zig:26   | Noticed a dread lich
193793 | Zig:26   | Noticed a dread lich
193795 | Zig:26   | Killed an ancient lich
193797 | Zig:26   | Noticed a dread lich
193798 | Zig:26   | Noticed a dread lich
193799 | Zig:26   | Killed an ancient lich
193799 | Zig:26   | Noticed a dread lich
193800 | Zig:26   | Killed an ancient lich
193801 | Zig:26   | Reached skill level 27 in Air Magic
193801 | Zig:26   | Killed an ancient lich
193801 | Zig:26   | Killed an ancient lich
193805 | Zig:26   | Killed a dread lich
193805 | Zig:26   | Killed an ancient lich
193806 | Zig:26   | Killed a dread lich
193806 | Zig:26   | Killed a dread lich
193809 | Zig:26   | Killed an ancient lich
193810 | Zig:26   | Killed a dread lich
193817 | Zig:26   | Killed a dread lich
193819 | Zig:26   | Killed a dread lich
193819 | Zig:26   | Killed a dread lich
194518 | Zig:26   | Identified the staff of conjuration "Epaijyqi" {Fragile
                  | rF++ rCorr Dex+2}
194519 | Zig:26   | Identified the +5 spear of Niogh {drain, rC+ Str+3}
194525 | Zig:26   | Identified the staff of conjuration "Fixiniq" {rN++ Str+2}
194527 | Zig:26   | Identified the staff of cold "Sutit" {rC+ rN+ Will- Int+4
                  | SInv}
194531 | Zig:26   | Identified the +6 spear "Jiatex" {antimagic, Will+}
194532 | Zig:26   | Identified the +8 morningstar of Antique Reinforcement
                  | {heavy, rN+ Dex+3}
194542 | Zig:26   | Identified the ring "Irronwi Forr" {Fly rPois rF+}
194554 | Zig:26   | Identified the amulet "Qoesimid" {Acrobat Regen+ Int+2
                  | Dex+3 Slay-4}
194580 | Zig:26   | Identified the amulet "Honim" {Will+ Regen+ MP+9}
194585 | Zig:26   | Identified the +0 dagger of Exquisite Torment {heavy, rC+
                  | Str+3}
194592 | Zig:26   | Identified the +6 great sword of Calamity {freeze, rC++ rN+
                  | Will+ rCorr}
194624 | Zig:27   | Entered Level 27 of a ziggurat
194637 | Zig:27   | HP: 3/199 [searing wretch (12)]
194637 | Zig:27   | Demolished by a searing wretch (23 damage)
194640 | Zig:27   | Killed from afar by a hellephant (54 damage)
                  | ... with a blast of flame
194642 | Zig:27   | Noticed a dread lich
194644 | Zig:27   | HP: 9/199 [balrug/divine providence (9)]
194645 | Zig:27   | Killed by divine providence
                  | ... invoked by a balrug
                  | (12 damage)
194647 | Zig:27   | Killed by divine providence
                  | ... invoked by a balrug
                  | (8 damage)
194653 | Zig:27   | Killed from afar by a hellephant (64 damage)
                  | ... with a blast of flame
194655 | Zig:27   | Killed a dread lich
194660 | Zig:27   | Killed from afar by a hellephant (47 damage)
                  | ... with a blast of flame
194665 | Zig:27   | Killed from afar by a hellephant (73 damage)
                  | ... with a blast of flame
194687 | Zig:27   | Found the +10 Black Knight's barding {ponderous, rPois rN+}
194688 | Zig:27   | Killed from afar by a hellephant (61 damage)
                  | ... with a blast of flame
194784 | Zig:27   | Identified the +3 ring mail "Sown" {rF+ Will+}
194790 | Zig:27   | Identified the +9 war axe of Tender Mercy {flame, *Noise
                  | rN+ Dex+8}
194791 | Zig:27   | Identified the +5 robe of the Catfish {rPois Will++ Regen+}
194797 | Zig:27   | Identified the +6 quarterstaff "Pofren" {protect, rN+ Str-5
                  | Int+3}
194801 | Zig:27   | Identified the ring of Equivalence {rPois rC+ Str+2}
194812 | Zig:27   | Identified the ring of Viocuer {Fly Will++ Int-3 SInv}
194819 | Zig:27   | Identified the staff of poison "Uloall" {rPois Int+6}
195230 | Zig:1    | Entered Level 1 of a ziggurat
195250 | Zig:2    | Entered Level 2 of a ziggurat
195252 | Zig:2    | Noticed an ancient lich
195253 | Zig:2    | Noticed a dread lich
195265 | Zig:2    | Killed an ancient lich
195270 | Zig:2    | Killed a dread lich
195285 | Zig:2    | Identified the +9 glaive of True Grit {drain, rF+}
195289 | Zig:3    | Entered Level 3 of a ziggurat
195300 | Zig:3    | HP: 8/199 [green draconian monk (16)]
195300 | Zig:3    | Killed from afar by a black draconian knight (8 damage)
                  | ... with a shard of ice
195412 | Zig:4    | Entered Level 4 of a ziggurat
195412 | Zig:4    | Noticed a royal mummy
195412 | Zig:4    | Noticed a royal mummy
195415 | Zig:4    | Noticed a royal mummy
195416 | Zig:4    | Noticed a royal mummy
195417 | Zig:4    | Noticed a royal mummy
195418 | Zig:4    | Killed a royal mummy
195420 | Zig:4    | Killed a royal mummy
195423 | Zig:4    | HP: 9/199 [??? (1)]
195424 | Zig:4    | Slain by a death scarab (12 damage)
                  | ... summoned by a royal mummy
195429 | Zig:4    | Killed a royal mummy
195436 | Zig:4    | Killed a royal mummy
195437 | Zig:4    | Killed a royal mummy
195644 | Zig:5    | Entered Level 5 of a ziggurat
195654 | Zig:5    | HP: 2/197 [hellephant/blast of flame (20)]
195656 | Zig:5    | Killed by divine providence
                  | ... invoked by a balrug
                  | (10 damage)
195676 | Zig:5    | Killed from afar by a hellephant (127 damage)
                  | ... with a blast of flame
195735 | Zig:5    | Identified the +3 leather armour of the Falcon {rC+ rN+
                  | Int+3}
195752 | Zig:5    | Identified the staff of poison "Fazuil" {rPois rN+ Int+2}
195758 | Zig:6    | Entered Level 6 of a ziggurat
195760 | Zig:6    | Noticed an ancient lich
195761 | Zig:6    | Noticed an ancient lich
195765 | Zig:6    | Noticed an ancient lich
195767 | Zig:6    | Noticed an ancient lich
195767 | Zig:6    | Killed an ancient lich
195776 | Zig:6    | Killed an ancient lich
195787 | Zig:6    | Killed an ancient lich
195791 | Zig:6    | Killed an ancient lich
196159 | Zig:6    | Identified the ring "Depeofuc" {rElec rC+ Will+ Dex+2}
196185 | Zig:7    | Entered Level 7 of a ziggurat
196185 | Zig:7    | Noticed a royal mummy
196185 | Zig:7    | Noticed a royal mummy
196185 | Zig:7    | Noticed a royal mummy
196185 | Zig:7    | Noticed a royal mummy
196185 | Zig:7    | Noticed a royal mummy
196185 | Zig:7    | Noticed a royal mummy
196185 | Zig:7    | Noticed a royal mummy
196185 | Zig:7    | Noticed a royal mummy
196193 | Zig:7    | Noticed a royal mummy
196194 | Zig:7    | Noticed a royal mummy
196194 | Zig:7    | Killed a royal mummy
196194 | Zig:7    | Noticed a royal mummy
196194 | Zig:7    | HP: 7/199 [emperor scorpion[a royal mummy] (6)]
196195 | Zig:7    | Slain by a royal mummy (9 damage)
196196 | Zig:7    | Killed a royal mummy
196198 | Zig:7    | Killed a royal mummy
196200 | Zig:7    | Killed a royal mummy
196201 | Zig:7    | Killed a royal mummy
196201 | Zig:7    | Killed a royal mummy
196202 | Zig:7    | Killed a royal mummy
196203 | Zig:7    | Killed a royal mummy
196205 | Zig:7    | Killed a royal mummy
196205 | Zig:7    | Killed a royal mummy
196205 | Zig:7    | Killed a royal mummy
196205 | Zig:7    | HP: 3/199 [something (14)]
196213 | Zig:7    | HP: 5/199 [fire giant zombie (4)]
196231 | Zig:7    | Found the +8 arc blade {discharge, rElec}
196669 | Zig:7    | Identified the ring of Adopp {Will+ Int+2}
196671 | Zig:7    | Identified the +2 robe of a Thousand Youths {+Blink rPois
                  | rN+}
196675 | Zig:7    | Identified the +3 halberd "Esken" {protect, rC- Will+
                  | Int+7}
196682 | Zig:8    | Entered Level 8 of a ziggurat
196737 | Zig:9    | Entered Level 9 of a ziggurat
196749 | Zig:9    | Noticed Koqofeec the pandemonium lord
196752 | Zig:9    | Found the ring of the Octopus King
196753 | Zig:9    | HP: 2/199 [balrug/divine providence (10)]
196755 | Zig:9    | Killed by divine providence
                  | ... invoked by a balrug
                  | (9 damage)
196764 | Zig:9    | Killed Koqofeec the pandemonium lord
196777 | Zig:9    | Identified a ring of the Octopus King {rC+ HP+2 AC+2 EV+2
                  | SH+2}
196813 | Zig:10   | Entered Level 10 of a ziggurat
196857 | Zig:10   | Identified the ring of the Harvest {Ice *Corrode Fly Int+2}
197097 | Zig:10   | Identified the +1 leather armour of the Untouchables
                  | {Contam Slay+2 Stlth+}
197103 | Zig:10   | Identified the +0 leather armour "Joel" {Stlth+}
197110 | Zig:10   | Identified the +3 battleaxe "Baxomank" {freeze, rPois rC+}
197111 | Zig:10   | Identified the staff of air "Huciawk" {rElec rF- rN++}
197119 | Zig:11   | Entered Level 11 of a ziggurat
197133 | Zig:11   | Slain by a caustic shrike (35 damage)
197290 | Zig:11   | Identified the +2 scale mail of the Endless Expanse {-Tele
                  | Slay+4}
197291 | Zig:11   | Identified the +5 morningstar of Oheq {vamp, Drain rC+
                  | Will+}
197298 | Zig:11   | Identified the ring "Wuafeg" {rC+ rN+ Dex+2}
197300 | Zig:11   | Identified the +7 hand axe of Untruth {speed, Int+3}
197301 | Zig:11   | Identified the +4 chain mail "Vywkuem" {rF+ Str+4 Int+3}
197342 | Zig:12   | Entered Level 12 of a ziggurat
197343 | Zig:12   | Noticed a royal mummy
197343 | Zig:12   | Noticed a royal mummy
197347 | Zig:12   | Noticed a royal mummy
197347 | Zig:12   | Noticed a royal mummy
197347 | Zig:12   | Noticed a royal mummy
197347 | Zig:12   | Noticed a royal mummy
197348 | Zig:12   | HP: 8/199 [mummy priest/divine providence (10)]
197348 | Zig:12   | Noticed a royal mummy
197349 | Zig:12   | Noticed a royal mummy
197350 | Zig:12   | Mangled by a royal mummy (20 damage)
197352 | Zig:12   | Noticed a royal mummy
197353 | Zig:12   | Noticed a royal mummy
197354 | Zig:12   | Noticed a royal mummy
197354 | Zig:12   | Noticed a royal mummy
197354 | Zig:12   | HP: 6/199 [mummy priest/divine providence (14)]
197355 | Zig:12   | Mangled by a royal mummy (13 damage)
197356 | Zig:12   | Noticed a royal mummy
197357 | Zig:12   | Killed a royal mummy
197357 | Zig:12   | Noticed a royal mummy
197359 | Zig:12   | Noticed a royal mummy
197360 | Zig:12   | Killed a royal mummy
197360 | Zig:12   | Killed by a royal mummy's death curse (24 damage)
197362 | Zig:12   | Killed a royal mummy
197364 | Zig:12   | Killed a royal mummy
197364 | Zig:12   | Killed a royal mummy
197364 | Zig:12   | HP: 7/199 [royal mummy (18)]
197365 | Zig:12   | Killed a royal mummy
197365 | Zig:12   | Killed by a mummy priest's death curse (17 damage)
197366 | Zig:12   | Killed a royal mummy
197366 | Zig:12   | Killed a royal mummy
197367 | Zig:12   | Killed a royal mummy
197367 | Zig:12   | Killed a royal mummy
197367 | Zig:12   | Killed a royal mummy
197368 | Zig:12   | Killed a royal mummy
197371 | Zig:12   | Killed a royal mummy
197373 | Zig:12   | Killed a royal mummy
197376 | Zig:12   | Killed a royal mummy
197382 | Zig:12   | Found the +3 pair of mountain boots {steadfast, rC+}
197637 | Zig:12   | Identified the +1 shortbow "Barchask" {drain, rElec}
197642 | Zig:12   | Identified the staff of fire "Raamel" {rF+ Stlth+}
197690 | Zig:13   | Entered Level 13 of a ziggurat
197803 | Zig:13   | Identified the +5 dagger of Soklump {heavy, rN+}
197814 | Zig:13   | Identified the +6 short sword "Fuelil" {pain, rC+ Will+
                  | Int+3}
197821 | Zig:13   | Identified the +6 trident "Bebyts" {venom, +Blink rElec
                  | Str-5 Dex+4}
197829 | Zig:14   | Entered Level 14 of a ziggurat
197832 | Zig:14   | Noticed an ancient lich
197835 | Zig:14   | Noticed an ancient lich
197835 | Zig:14   | Noticed a dread lich
197836 | Zig:14   | Noticed an ancient lich
197838 | Zig:14   | Noticed an ancient lich
197838 | Zig:14   | Noticed a dread lich
197839 | Zig:14   | Noticed a dread lich
197839 | Zig:14   | Noticed an ancient lich
197839 | Zig:14   | Noticed a dread lich
197840 | Zig:14   | Found the +5 demon whip "Spellbinder" {antimagic, disrupt,
                  | Will+}
197840 | Zig:14   | Killed an ancient lich
197847 | Zig:14   | Killed a dread lich
197848 | Zig:14   | Killed an ancient lich
197848 | Zig:14   | Killed a dread lich
197848 | Zig:14   | Killed an ancient lich
197848 | Zig:14   | Killed a dread lich
197850 | Zig:14   | Killed an ancient lich
197851 | Zig:14   | Noticed an ancient lich
197853 | Zig:14   | Killed an ancient lich
197856 | Zig:14   | Killed a dread lich
197864 | Zig:14   | Killed an ancient lich
198322 | Zig:14   | Identified the staff of air "Tuemaxke" {rElec rC+++ Will+
                  | Str-4}
198333 | Zig:14   | Identified the staff of death "Timaromo" {Drain rC+ rN+
                  | Int+3 Dex+2}
198335 | Zig:14   | Identified the staff of death "Meusipro" {rN+ Stlth+}
198337 | Zig:14   | Identified the ring "Pisy" {rElec rCorr Str+6}
198340 | Zig:14   | Identified the staff of air "Vumadirgh" {rElec Str+3
                  | Stlth+}
198350 | Zig:14   | Identified the +3 trident of the Spinneret {distort, rElec
                  | rC+++ rCorr Str-2}
198354 | Zig:15   | Entered Level 15 of a ziggurat
198495 | Zig:15   | Identified the +2 leather armour of Distant Shores {Stlth+}
198496 | Zig:15   | Identified the +3 short sword of Might {flame, *Corrode rN+
                  | Int+3}
198502 | Zig:15   | Identified the +3 shortbow of Hisifucw {flame, rPois}
198527 | Zig:16   | Entered Level 16 of a ziggurat
198726 | Zig:16   | Identified the +2 cloak "Maudyff" {rPois SInv}
198728 | Zig:16   | Identified the staff of poison "Cido" {Fragile rPois rCorr
                  | Dex+6}
198731 | Zig:16   | Identified the staff of earth "Erydaal" {*Slow rPois Str+2}
198745 | Zig:17   | Entered Level 17 of a ziggurat
198779 | Zig:17   | Found the ring of the Octopus King
198798 | Zig:17   | Found the ring of the Octopus King
199130 | Zig:17   | Identified the staff of cold "Woafi" {*Slow rC+ rN++ Int+5}
199131 | Zig:17   | Identified a ring of the Octopus King {rCorr HP+2 AC+2 EV+2
                  | SH+2}
199134 | Zig:17   | Identified the +0 plate armour of the Good {rElec rF-
                  | Regen+ Dex+3}
199140 | Zig:17   | Identified a ring of the Octopus King {HP+2 MP+9 AC+2 EV+2
                  | SH+2}
199142 | Zig:17   | Identified the +6 spear of Responsibility {venom, rF- rN+
                  | Dex+7}
199144 | Zig:17   | Identified the staff of death "Sajadagg" {+Blink rC- rN+
                  | rCorr Dex+5}
199161 | Zig:17   | Identified the staff of earth "Itiaps" {rC- Str+6 Int-5
                  | SInv}
199164 | Zig:17   | Identified the +6 mace of Conscience {venom, rPois rC+}
199172 | Zig:17   | Identified the +8 battleaxe "Veuheimm" {heavy, SInv}
199202 | Zig:18   | Entered Level 18 of a ziggurat
199329 | Zig:18   | Found the ring of the Octopus King
199350 | Zig:18   | Identified the +0 pair of boots of Dithmenos's Delight
                  | {Str+3}
199354 | Zig:18   | Identified the ring "Gubukag" {MP+9 Str+5 Stlth+}
199358 | Zig:18   | Identified a ring of the Octopus King {HP+2 AC+2 EV+2 SH+2
                  | SInv}
199369 | Zig:19   | Entered Level 19 of a ziggurat
199663 | Zig:19   | Identified the +11 demon blade "Qiuxuucy" {venom, rC+
                  | Dex+3}
199664 | Zig:19   | Identified the +1 robe of the Shining Light {rF++ SInv}
199665 | Zig:19   | Identified the +3 rapier of Fate {pain, rN+}
199667 | Zig:19   | Identified the +1 short sword "Giantslayer" {heavy, rElec
                  | Str-3 Int+5}
199671 | Zig:19   | Identified the +0 pair of gloves of the Valley of Death
                  | {rN+ Slay+2}
199672 | Zig:19   | Identified the +6 dagger of the Shoals {vamp, Fragile rPois
                  | rCorr}
199679 | Zig:19   | Identified the staff of air "Eside" {rElec rPois Int+2}
199680 | Zig:19   | Identified the +2 leather armour "Boihaon" {Int+4}
199681 | Zig:19   | Identified the +4 great sword "Sojimac" {venom, rPois rF-
                  | MP+9}
199683 | Zig:19   | Identified the +5 morningstar of Kubod Leumn {speed, MP-9
                  | Str+7 Dex+3}
199684 | Zig:19   | Identified the +2 morningstar of the New World {flame,
                  | Str+3 Dex-3}
199711 | Zig:20   | Entered Level 20 of a ziggurat
199763 | Zig:20   | HP: 8/199 [nagaraja/+0 halberd (19)]
199763 | Zig:20   | Shot with an arrow by a naga sharpshooter (10 damage)
199790 | Zig:20   | HP: 5/199 [nagaraja/+0 flail (11)]
199794 | Zig:20   | HP: 2/199 [/static electricity (4)]
199794 | Zig:20   | Killed by their own static electricity (3 damage)
200369 | Zig:20   | Identified the +9 rapier "Toblel" {pain, Str+4 SInv}
200372 | Zig:20   | Identified the +5 great sword "Reskaf" {flame, Str+4 SInv}
200375 | Zig:20   | Identified the +6 scale mail of Eternal Night {+Blink
                  | rPois}
200377 | Zig:20   | Identified the +5 quarterstaff "Woothrosi" {venom, rCorr
                  | Dex+4}
200380 | Zig:20   | Identified the ring "Beebrata" {rN+ rCorr Str+2 Int-4}
200386 | Zig:20   | Identified the staff of earth "Diotelaf" {rN+ Will+ Str-3
                  | Int+4}
200389 | Zig:20   | Identified the ring of Sidi {rN+ rCorr Str+3}
200425 | Zig:21   | Entered Level 21 of a ziggurat
200453 | Zig:21   | Paralysed by a floating eye for 2 turns
200454 | Zig:21   | HP: 8/199 [acid (4)]
200455 | Zig:21   | HP: 1/199 [azure jelly (8)]
200456 | Zig:21   | Killed by their own static electricity (1 damage)
200617 | Zig:21   | Identified the +12 long sword of Intuition {heavy, rF+}
200618 | Zig:21   | Identified the staff of earth "Zin Peni" {Fly Will+ rCorr
                  | Dex-3}
200621 | Zig:21   | Identified the +6 broad axe of Xung {freeze, Dex+2}
200630 | Zig:21   | Identified the ring of the Teaching Gods {rElec rN+ Will+}
200636 | Zig:21   | Identified the staff of conjuration "Wuoceko" {rF+ rCorr
                  | Int+4 Dex+3}
200637 | Zig:21   | Identified the +4 short sword of the Enchanted Forest
                  | {heavy, Fly}
200651 | Zig:22   | Entered Level 22 of a ziggurat
200696 | Zig:22   | HP: 3/199 [nagaraja/+0 spear (16)]
200697 | Zig:22   | HP: 1/199 [/static electricity (2)]
200697 | Zig:22   | Annihilated by an alligator snapping turtle (23 damage)
200744 | Zig:22   | HP: 1/199 [tentacled monstrosity (21)]
200745 | Zig:22   | Slain by a tentacled monstrosity (2 damage)
200788 | Zig:22   | Slain by a ghost moth (13 damage)
200829 | Zig:22   | HP: 5/199 [emperor scorpion (25)]
200830 | Zig:22   | Demolished by an emperor scorpion (24 damage)
200846 | Zig:22   | HP: 5/199 [alligator snapping turtle (39)]
200847 | Zig:22   | HP: 2/199 [six-headed hydra (3)]
200847 | Zig:22   | Annihilated by an alligator snapping turtle (39 damage)
200858 | Zig:22   | Mangled by an alligator snapping turtle (30 damage)
201220 | Zig:22   | Identified the staff of cold "Zodennok" {rC+ rN+ Str-5
                  | Dex+4}
201222 | Zig:22   | Identified the +8 great sword of the Extremes {heavy, rElec
                  | rN+ Will+}
201235 | Zig:22   | Identified the ring "Wolik" {rN++ Int+6}
201238 | Zig:22   | Identified the +3 short sword "Impbane" {venom, Will+
                  | Stlth+}
201264 | Zig:23   | Entered Level 23 of a ziggurat
201267 | Zig:23   | Noticed an ancient lich
201267 | Zig:23   | Noticed a dread lich
201267 | Zig:23   | Noticed an ancient lich
201267 | Zig:23   | Noticed an ancient lich
201267 | Zig:23   | Noticed an ancient lich
201267 | Zig:23   | Noticed a dread lich
201267 | Zig:23   | Noticed an ancient lich
201267 | Zig:23   | Noticed an ancient lich
201267 | Zig:23   | Noticed a dread lich
201268 | Zig:23   | Killed an ancient lich
201268 | Zig:23   | Killed an ancient lich
201268 | Zig:23   | Killed a dread lich
201270 | Zig:23   | Noticed an ancient lich
201271 | Zig:23   | Noticed a dread lich
201271 | Zig:23   | Noticed a dread lich
201272 | Zig:23   | Killed a dread lich
201274 | Zig:23   | Killed an ancient lich
201275 | Zig:23   | Killed an ancient lich
201276 | Zig:23   | Killed a dread lich
201276 | Zig:23   | Killed an ancient lich
201277 | Zig:23   | Noticed an ancient lich
201279 | Zig:23   | Noticed an ancient lich
201285 | Zig:23   | Noticed an ancient lich
201288 | Zig:23   | Noticed an ancient lich
201294 | Zig:23   | Killed an ancient lich
201296 | Zig:23   | Killed a dread lich
201296 | Zig:23   | Slain by a profane servitor
                  | ... wielding a +2 whip
                  | (15 damage)
201297 | Zig:23   | Killed a dread lich
201298 | Zig:23   | Killed an ancient lich
201305 | Zig:23   | Noticed an ancient lich
201317 | Zig:23   | Killed an ancient lich
201327 | Zig:23   | Killed an ancient lich
201327 | Zig:23   | Slain by a reaper
                  | ... wielding a +0 heavy scythe
                  | (17 damage)
201338 | Zig:23   | Killed from afar by an ancient lich (51 damage)
                  | ... with a crystal spear
201341 | Zig:23   | Killed from afar by an ancient lich (96 damage)
                  | ... with a crystal spear
201342 | Zig:23   | Killed an ancient lich
201342 | Zig:23   | Killed an ancient lich
201343 | Zig:23   | Noticed an ancient lich
201360 | Zig:23   | Killed from afar by an ancient lich (47 damage)
                  | ... with a crystal spear
201381 | Zig:23   | Killed an ancient lich
201383 | Zig:23   | Killed an ancient lich
201418 | Zig:23   | Learned a level 9 spell: Shatter
201522 | Zig:23   | Found the +8 demon blade "Leech" {evervamp, Harm Drain rN+}
201740 | Zig:23   | Identified the staff of air "Rick" {Fragile rElec Will+
                  | Int+8 Stlth+}
201755 | Zig:23   | Identified the +1 buckler of the Comet {Rampage Drain MP+9}
201760 | Zig:23   | Identified the +1 battleaxe of Parts Unknown {venom, Contam
                  | rCorr Int+3}
201768 | Zig:23   | Identified the +6 plate armour of Barexun {Regen+ rCorr}
201772 | Zig:23   | Identified the ring "Utaw" {*Slow EV+5 Int+5}
201796 | Zig:24   | Entered Level 24 of a ziggurat
201914 | Zig:24   | HP: 4/199 [disintegration (24)]
201921 | Zig:24   | HP: 4/199 [/static electricity (3)]
201928 | Zig:24   | Demolished by a culicivora (23 damage)
201980 | Zig:24   | HP: 3/199 [torpor snail (7)]
201982 | Zig:24   | Demolished by a wolf spider (22 damage)
                  | ... summoned by a broodmother
202479 | Zig:24   | Identified the staff of poison "Viceabap" {rElec rPois
                  | Will- Str+2 Int+4}
202482 | Zig:24   | Identified the amulet of the Wild Haggis {Reflect Harm
                  | rElec rCorr SH+5 Stlth-}
202491 | Zig:24   | Identified the staff of fire "Balanuip" {rF+ rN+ Str-3
                  | Dex+3}
202493 | Zig:24   | Identified the ring of Lusocrov {rF+ Will- Int+7 Stlth+}
202495 | Zig:24   | Identified the staff of poison "Keipym" {*Corrode rElec
                  | rPois rF++}
202502 | Zig:24   | Identified the +0 spear "Ruzxedid" {freeze, rElec rC-
                  | Str+2}
202503 | Zig:24   | Identified the +1 pair of gloves "Keas" {Contam rElec rF-
                  | Slay+5}
202510 | Zig:24   | Identified the ring of the Supporting Gods {+Blink Str+3
                  | Dex+6}
202550 | Zig:25   | Entered Level 25 of a ziggurat
202556 | Zig:25   | HP: 9/199 [demonspawn blood saint/+0 dagger (8)]
202556 | Zig:25   | Demolished by a demonspawn blood saint
                  | ... wielding a +0 dagger
                  | (29 damage)
202559 | Zig:25   | Demolished by a lorocyproca (30 damage)
202566 | Zig:25   | HP: 9/199 [demonspawn warmonger/+1 demon trident of venom
                  | (3)]
202566 | Zig:25   | Killed by divine providence
                  | ... invoked by a balrug
                  | (12 damage)
202568 | Zig:25   | Demolished by a Tzitzimitl (25 damage)
202569 | Zig:25   | HP: 4/199 [Hell Sentinel (4)]
202570 | Zig:25   | Killed by divine providence
                  | ... invoked by a sphinx
                  | ... summoned by a demonspawn corrupter
                  | ... summoned by a shadow demon
                  | (7 damage)
202572 | Zig:25   | Killed from afar by an Ice Fiend (45 damage)
                  | ... with a bolt of cold
202573 | Zig:25   | Slain by a Brimstone Fiend (7 damage)
202576 | Zig:25   | Killed from afar by a Brimstone Fiend (41 damage)
                  | ... with damnation
202578 | Zig:25   | HP: 6/199 [balrug/divine providence (14)]
202578 | Zig:25   | HP: 2/199 [Hell Sentinel (4)]
202578 | Zig:25   | Slain by a Hell Sentinel (5 damage)
202579 | Zig:25   | Mangled by a demonspawn blood saint
                  | ... wielding a +0 dagger
                  | (18 damage)
202582 | Zig:25   | Mangled by a Hell Sentinel (18 damage)
202585 | Zig:25   | HP: 2/199 [Ice Fiend] (10)]
202585 | Zig:25   | Slain by a demonspawn warmonger
                  | ... wielding a +1 battleaxe of venom
                  | (6 damage)
202587 | Zig:25   | Demolished by a demonspawn warmonger
                  | ... wielding a +1 battleaxe of venom
                  | (52 damage)
202589 | Zig:25   | Killed from afar by a Hell Sentinel (74 damage)
                  | ... with an iron shot
202593 | Zig:25   | Demolished by a Hell Sentinel (38 damage)
202595 | Zig:25   | HP: 2/192 [demonspawn warmonger/+1 battleaxe of venom (10)]
202595 | Zig:25   | Mangled by a demonspawn warmonger
                  | ... wielding a +1 battleaxe of venom
                  | (10 damage)
202597 | Zig:25   | Mangled by a demonspawn warmonger
                  | ... wielding a +1 demon trident of venom
                  | (33 damage)
202600 | Zig:25   | Mangled by a demonspawn warmonger
                  | ... wielding a +0 demon trident of pain
                  | (22 damage)
202604 | Zig:25   | Noticed Sipsooqi the pandemonium lord
202606 | Zig:25   | Demolished by a Hell Sentinel (35 damage)
                  | ... summoned by a shadow demon
202611 | Zig:25   | HP: 4/199 [Hell Sentinel[a shadow demon] (7)]
202611 | Zig:25   | Demolished by a Hell Sentinel (19 damage)
                  | ... summoned by a shadow demon
202614 | Zig:25   | Mangled by an Ice Fiend (29 damage)
202618 | Zig:25   | Killed from afar by a Hell Sentinel (47 damage)
                  | ... with an iron shot
202620 | Zig:25   | Killed from afar by a Hell Sentinel (47 damage)
                  | ... with an iron shot
202625 | Zig:25   | HP: 7/199 [Hell Sentinel (10)]
202626 | Zig:25   | Killed from afar by a Hell Sentinel (34 damage)
                  | ... with damnation
202639 | Zig:25   | Killed from afar by a blizzard demon (27 damage)
                  | ... with a bolt of cold
202653 | Zig:25   | Slain by an Ice Fiend (27 damage)
202680 | Zig:25   | Killed Sipsooqi the pandemonium lord
203003 | Zig:25   | Found the +6 Majin-Bo {spellvamp, MP+6 Int+6}
203004 | Zig:25   | Found the ring of the Octopus King
203014 | Zig:25   | Identified a ring of the Octopus King {rN+ HP+2 AC+2 EV+2
                  | SH+2}
203018 | Zig:25   | Identified the +4 trident "Loentivut" {holy, Dex+4}
203023 | Zig:25   | Identified the +8 chain mail of the Blessed Realm {Int+4
                  | SInv}
203028 | Zig:25   | Identified the ring "Vucsurcha" {Ice rN+ Dex+4}
203067 | Zig:25   | Identified the ring of Eletiz {rC+ Str+2 Int+2}
203073 | Zig:25   | Identified the amulet of Jomuyty {RegenMP +Inv rCorr}
203104 | Zig:26   | Entered Level 26 of a ziggurat
203184 | Zig:26   | Found the +7 Throatcutter {drain, coup de grace}
203221 | Zig:26   | Identified the ring "Codaos" {rN++ rCorr MP+9 Dex-5}
203255 | Zig:26   | Identified the +2 whip of Boroyf {flame, Dex+3}
203274 | Zig:27   | Entered Level 27 of a ziggurat
203289 | Zig:27   | Killed by divine providence
                  | ... invoked by a smoke demon
                  | (15 damage)
203301 | Zig:27   | Paralysed by accursed screaming for 2 turns
203312 | Zig:27   | Paralysed by accursed screaming for 2 turns
203329 | Zig:27   | HP: 5/199 [wretched star/lance of force (8)]
203329 | Zig:27   | Collided with a bone dragon (7 damage)
                  | ... caused by a wretched star
203355 | Zig:27   | Paralysed by accursed screaming for 2 turns
203370 | Zig:27   | Found the +8 trishula "Condemnation" {holy, anguish, *Noise
                  | Fly rN+}
203432 | Zig:27   | HP: 6/199 [starcursed mass/accursed screaming (7)]
203439 | Zig:27   | Killed from afar by a starcursed mass (9 damage)
                  | ... with an accursed screaming
203449 | Zig:27   | Paralysed by accursed screaming for 2 turns
203673 | Zig:27   | Identified the staff of death "Manesk" {Fly rN+ Int+4 SInv}
203674 | Zig:27   | Identified the staff of poison "Penoi" {rPois rF- rC+ rN+}
203681 | Zig:27   | Identified the +5 flail "Deropn" {heavy, *Rage rC+ Dex+3
                  | SInv}
203683 | Zig:27   | Identified the ring of Sefod {Ice Str+4 Dex+2 Stlth-}
203686 | Zig:27   | Identified the +5 rapier "Killer Klown's Peril" {freeze,
                  | *Corrode Str+5 Dex+5}
203687 | Zig:27   | Identified the ring "Affet" {rF- Will+ Dex+4 Slay+5}
203690 | Zig:27   | Identified the +7 hand axe of Wownaes {vamp, rElec rF+++
                  | Dex-2 Stlth+}
203693 | Zig:27   | Identified the staff of conjuration "Jaetacaq" {Contam rN+
                  | Will+ Dex+2}
203695 | Zig:27   | Identified the +8 chain mail of Lociep {Rampage *Corrode
                  | Dex+6 Slay+2}
203696 | Zig:27   | Identified the staff of air "Ommedun" {rElec rF- Will+
                  | Int+5 SInv}
203700 | Zig:27   | Identified the +5 eveningstar "Teneineq" {vamp, Contam
                  | *Rage +Blink Int+9}
203779 | Zig:1    | Entered Level 1 of a ziggurat
203779 | Zig:1    | Noticed a dread lich
203779 | Zig:1    | Noticed an ancient lich
203788 | Zig:1    | Killed a dread lich
203797 | Zig:1    | Killed an ancient lich
203808 | Zig:2    | Entered Level 2 of a ziggurat
203808 | Zig:2    | Noticed a juggernaut
203809 | Zig:2    | Noticed a juggernaut
203821 | Zig:2    | HP: 1/194 [juggernaut (56)]
203822 | Zig:2    | Slain by an orc warrior
                  | ... wielding a +0 war axe
                  | (6 damage)
203836 | Zig:2    | Killed a juggernaut
203836 | Zig:2    | HP: 2/195 [smoke demon/divine providence[an orc sorcerer]
                  | (16)]
203837 | Zig:2    | Killed by divine providence
                  | ... invoked by an orc priest
                  | (9 damage)
203847 | Zig:2    | Killed a juggernaut
204452 | Zig:3    | Entered Level 3 of a ziggurat
204757 | Zig:4    | Entered Level 4 of a ziggurat
204758 | Zig:4    | Found the +6 shillelagh "Devastator" {shatter}
204808 | Zig:4    | Acquired 508 gold pieces
204818 | Zig:5    | Entered Level 5 of a ziggurat
204818 | Zig:5    | Noticed a royal mummy
204818 | Zig:5    | Noticed a royal mummy
204818 | Zig:5    | Noticed a royal mummy
204829 | Zig:5    | Killed a royal mummy
204830 | Zig:5    | HP: 9/194 [??? (1)]
204830 | Zig:5    | HP: 2/194 [bennu (7)]
204832 | Zig:5    | Killed by divine providence
                  | ... invoked by a mummy priest
                  | (10 damage)
204835 | Zig:5    | Killed a royal mummy
204853 | Zig:5    | HP: 9/199 [caustic shrike zombie (6)]
204856 | Zig:5    | Slain by a caustic shrike zombie (11 damage)
204865 | Zig:5    | Killed a royal mummy
204884 | Zig:5    | Identified the amulet "Ocagup" {Reflect Fly rF+ rCorr SH+5}
204900 | Zig:6    | Entered Level 6 of a ziggurat
204904 | Zig:6    | Noticed a juggernaut
204921 | Zig:6    | Killed a juggernaut
204946 | Zig:6    | Identified the +4 double sword "Eghafim" {pain, Dex+2}
205038 | Zig:6    | Identified the +7 sling of Siasavupp {freeze, +Blink rPois
                  | Str+3}
205043 | Zig:6    | Identified the +4 rapier of the Boiling Point {drain, rN+
                  | MP+9 Int+3}
205044 | Zig:6    | Identified the ring of Apsuhidi {Fire Fly Str+3}
205051 | Zig:6    | Identified the staff of fire "Tuosmao" {+Blink rPois rF+
                  | Will+ Dex+4}
205067 | Zig:7    | Entered Level 7 of a ziggurat
205125 | Zig:7    | Found the +5 woodcutter's axe
205435 | Zig:8    | Entered Level 8 of a ziggurat
205440 | Zig:8    | Killed from afar by an Ice Fiend (55 damage)
                  | ... with a bolt of cold
205444 | Zig:8    | HP: 6/199 [Ice Fiend/bolt of cold (37)]
205444 | Zig:8    | Paralysed by a wendigo for 1 turns
205444 | Zig:8    | Killed from afar by an Ice Fiend (21 damage)
                  | ... with a bolt of cold
                  | ... while paralysed by a wendigo
205462 | Zig:8    | Identified the quicksilver dragon scales of Fun and Games
                  | {rElec Will+}
205575 | Zig:8    | Identified the +6 trident of Guilt {freeze, rC+}
205584 | Zig:8    | Identified the +4 rapier "Fikk" {spect, Dex+5}
205588 | Zig:8    | Identified the staff of cold "Zec Saann" {rC+ MP+9 Str+4
                  | Stlth+}
205589 | Zig:8    | Identified the staff of earth "Jino" {Str+8 Int-3 Dex+3}
205600 | Zig:9    | Entered Level 9 of a ziggurat
205609 | Zig:9    | Noticed Vunobikh the pandemonium lord
205611 | Zig:9    | Killed from afar by a Hell Sentinel (39 damage)
                  | ... with an iron shot
205626 | Zig:9    | Killed Vunobikh the pandemonium lord
205626 | Zig:9    | Killed from afar by a Hell Sentinel (20 damage)
                  | ... with damnation
206086 | Zig:9    | Identified the +1 battleaxe "Nomylub" {heavy, rPois rF+
                  | Will- SInv}
206091 | Zig:9    | Identified the +6 battleaxe "Ipiugog" {heavy, *Rage rC+ rN+
                  | Stlth+}
206126 | Zig:10   | Entered Level 10 of a ziggurat
206171 | Zig:10   | Found the +2 cloak of the Thief {*Fog Slay-2 SInv Stlth+}
206185 | Zig:10   | Identified the ring of Heresy {Contam rPois Dex+4}
206310 | Zig:10   | Identified the +4 mace "Xearyuck" {freeze, rPois Will+
                  | Int+3}
206337 | Zig:11   | Entered Level 11 of a ziggurat
206414 | Zig:11   | Identified the staff of death "Wioqurch" {rN+ Will- Dex+3}
206650 | Zig:11   | Identified the +3 flail of the Elven Halls {heavy, rC+
                  | Will++ Str-3 Stlth+}
206656 | Zig:11   | Identified the staff of earth "Eqaziur" {rPois Int+3}
206660 | Zig:11   | Identified the ring "Sonetei" {Fire rPois rCorr}
206683 | Zig:12   | Entered Level 12 of a ziggurat
206684 | Zig:12   | Noticed an ancient lich
206684 | Zig:12   | Noticed a dread lich
206685 | Zig:12   | Noticed a dread lich
206685 | Zig:12   | Noticed a dread lich
206686 | Zig:12   | Noticed an ancient lich
206686 | Zig:12   | Noticed a dread lich
206687 | Zig:12   | Noticed an ancient lich
206687 | Zig:12   | Noticed a dread lich
206687 | Zig:12   | Noticed an ancient lich
206688 | Zig:12   | Noticed an ancient lich
206689 | Zig:12   | Killed an ancient lich
206689 | Zig:12   | Killed a dread lich
206689 | Zig:12   | Killed an ancient lich
206689 | Zig:12   | Killed a dread lich
206690 | Zig:12   | Killed a dread lich
206690 | Zig:12   | Killed an ancient lich
206690 | Zig:12   | Killed an ancient lich
206690 | Zig:12   | Noticed a dread lich
206692 | Zig:12   | Noticed an ancient lich
206693 | Zig:12   | Killed a dread lich
206694 | Zig:12   | Killed a dread lich
206694 | Zig:12   | Killed an ancient lich
206702 | Zig:12   | Killed a dread lich
206712 | Zig:12   | Killed an ancient lich
207061 | Zig:12   | Found the Hermit's Pendant {Faith Invo=14 Evo=0 MP+5}
207067 | Zig:12   | Identified the +8 sling of the Invisible Moons {flame, rC+
                  | Dex+3}
207074 | Zig:12   | Identified the +8 halberd of Temperance {freeze, +Blink
                  | rF+++ Int-4 SInv}
207077 | Zig:12   | Identified the +7 rapier of Sudden Death {elec, Fly Str+2
                  | Dex-3}
207082 | Zig:13   | Entered Level 13 of a ziggurat
207082 | Zig:13   | Noticed a dread lich
207084 | Zig:13   | Noticed a dread lich
207086 | Zig:13   | Noticed a dread lich
207088 | Zig:13   | Noticed an ancient lich
207088 | Zig:13   | Noticed an ancient lich
207089 | Zig:13   | Killed a dread lich
207089 | Zig:13   | Killed an ancient lich
207090 | Zig:13   | Noticed an ancient lich
207090 | Zig:13   | Noticed a dread lich
207090 | Zig:13   | Noticed a dread lich
207090 | Zig:13   | Killed a dread lich
207091 | Zig:13   | Noticed a dread lich
207094 | Zig:13   | Noticed an ancient lich
207095 | Zig:13   | Killed a dread lich
207099 | Zig:13   | Killed an ancient lich
207100 | Zig:13   | Killed a dread lich
207100 | Zig:13   | Killed an ancient lich
207104 | Zig:13   | Killed an ancient lich
207104 | Zig:13   | Killed a dread lich
207110 | Zig:13   | Killed a dread lich
207403 | Zig:13   | Identified the staff of fire "Onerec" {*Corrode +Blink rF+
                  | Will+ Int+2}
207411 | Zig:14   | Entered Level 14 of a ziggurat
207414 | Zig:14   | Noticed an ancient lich
207417 | Zig:14   | Killed an ancient lich
207442 | Zig:14   | Slain by an iron golem (26 damage)
207563 | Zig:14   | Identified the +5 sling of Ratu {drain, rElec rF+ rN++
                  | Str-2}
207587 | Zig:15   | Entered Level 15 of a ziggurat
207587 | Zig:15   | Noticed a dread lich
207587 | Zig:15   | Noticed a dread lich
207588 | Zig:15   | Noticed an ancient lich
207588 | Zig:15   | Noticed an ancient lich
207588 | Zig:15   | Noticed an ancient lich
207588 | Zig:15   | Noticed an ancient lich
207588 | Zig:15   | Noticed a dread lich
207588 | Zig:15   | Noticed an ancient lich
207588 | Zig:15   | Noticed a dread lich
207588 | Zig:15   | Noticed a dread lich
207588 | Zig:15   | Noticed an ancient lich
207589 | Zig:15   | Killed an ancient lich
207589 | Zig:15   | Killed an ancient lich
207589 | Zig:15   | Killed an ancient lich
207589 | Zig:15   | Noticed an ancient lich
207591 | Zig:15   | Killed a dread lich
207591 | Zig:15   | Killed a dread lich
207592 | Zig:15   | Killed an ancient lich
207592 | Zig:15   | Killed a dread lich
207593 | Zig:15   | Killed a dread lich
207593 | Zig:15   | Killed a dread lich
207593 | Zig:15   | Killed an ancient lich
207594 | Zig:15   | Killed an ancient lich
207594 | Zig:15   | Noticed a dread lich
207594 | Zig:15   | Noticed a dread lich
207596 | Zig:15   | Noticed an ancient lich
207599 | Zig:15   | HP: 5/199 [golden dragon/bolt of fire (39)]
207599 | Zig:15   | Killed by divine providence
                  | ... invoked by a sphinx
                  | (10 damage)
207606 | Zig:15   | Killed a dread lich
207607 | Zig:15   | Killed an ancient lich
207608 | Zig:15   | Killed an ancient lich
207610 | Zig:15   | Killed a dread lich
207610 | Zig:15   | HP: 8/199 [vault warden simulacrum (41)]
207611 | Zig:15   | Killed from afar by a fire giant (10 damage)
                  | ... with a bolt of fire
207742 | Zig:15   | Identified the staff of earth "Xose" {rC+ Dex+4}
207743 | Zig:15   | Identified the +2 pair of gloves "Joba" {Will+}
207768 | Zig:15   | Acquired 889 gold pieces
207838 | Zig:16   | Entered Level 16 of a ziggurat
207838 | Zig:16   | Noticed a dread lich
207844 | Zig:16   | Killed a dread lich
207867 | Zig:16   | Paralysed by accursed screaming for 2 turns
207872 | Zig:16   | Paralysed by accursed screaming for 1 turns
207914 | Zig:16   | HP: 4/199 [starcursed mass/accursed screaming (7)]
207918 | Zig:16   | Killed from afar by a starcursed mass (6 damage)
                  | ... with an accursed screaming
207936 | Zig:16   | Killed a starcursed mass
208029 | Zig:16   | Identified the +1 dagger of the Pyrrhic Victory {heavy,
                  | Stlth+}
208048 | Zig:16   | Identified the +7 trident of the Present {venom, rC++
                  | Int+3}
208049 | Zig:16   | Identified the +5 ring mail "Jennook" {rCorr Str-3 Int+4}
208054 | Zig:16   | Identified the +1 helmet "Diacumm" {rC+ Int-3 Dex+6}
208060 | Zig:16   | Identified the ring "Veapsokk" {rC+ rN+ rCorr Str+3}
208076 | Zig:17   | Entered Level 17 of a ziggurat
208077 | Zig:17   | Noticed Suqegix the pandemonium lord
208077 | Zig:17   | Noticed Jifu the pandemonium lord
208078 | Zig:17   | Noticed Reifioruymm the pandemonium lord
208078 | Zig:17   | Noticed Qeeb the pandemonium lord
208078 | Zig:17   | Noticed Beydixu the pandemonium lord
208078 | Zig:17   | Noticed Veuniarr the pandemonium lord
208078 | Zig:17   | Noticed Dial the pandemonium lord
208078 | Zig:17   | Noticed Zehomm the pandemonium lord
208078 | Zig:17   | Noticed Fyvogreu the pandemonium lord
208079 | Zig:17   | Noticed Ceduzoan the pandemonium lord
208079 | Zig:17   | Noticed Fatwefi the pandemonium lord
208079 | Zig:17   | Noticed Hyovofa the pandemonium lord
208079 | Zig:17   | Noticed Ysywet the pandemonium lord
208080 | Zig:17   | Noticed Zyizokeu the pandemonium lord
208080 | Zig:17   | Noticed Namot the pandemonium lord
208080 | Zig:17   | Noticed Mepnoucu the pandemonium lord
208081 | Zig:17   | Noticed Mirhiyro the pandemonium lord
208081 | Zig:17   | Noticed Tuwamame the pandemonium lord
208081 | Zig:17   | Noticed Teisow the pandemonium lord
208081 | Zig:17   | Noticed Seapno Cemm the pandemonium lord
208082 | Zig:17   | Paralysed by you for 5 turns
208082 | Zig:17   | Noticed Zuivops the pandemonium lord
208082 | Zig:17   | Noticed Ruen the pandemonium lord
208090 | Zig:17   | Killed Teisow the pandemonium lord
208092 | Zig:17   | Noticed Ekora the pandemonium lord
208092 | Zig:17   | Noticed Laassaf the pandemonium lord
208093 | Zig:17   | Killed Mepnoucu the pandemonium lord
208093 | Zig:17   | Noticed Hathratt the pandemonium lord
208095 | Zig:17   | Killed Fyvogreu the pandemonium lord
208096 | Zig:17   | Killed Namot the pandemonium lord
208096 | Zig:17   | Noticed Dasiwnyff the pandemonium lord
208097 | Zig:17   | Noticed Miamacas the pandemonium lord
208098 | Zig:17   | Killed Ruen the pandemonium lord
208098 | Zig:17   | Killed Jifu the pandemonium lord
208098 | Zig:17   | Noticed Susionad the pandemonium lord
208100 | Zig:17   | Killed from afar by Zyizokeu the pandemonium lord (51
                  | damage)
                  | ... with a bolt of cold
208101 | Zig:17   | Killed Zyizokeu the pandemonium lord
208101 | Zig:17   | Killed Hyovofa the pandemonium lord
208101 | Zig:17   | Killed Dial the pandemonium lord
208101 | Zig:17   | Killed Beydixu the pandemonium lord
208101 | Zig:17   | Noticed Dahoh the pandemonium lord
208101 | Zig:17   | Noticed Ifest the pandemonium lord
208102 | Zig:17   | Killed Veuniarr the pandemonium lord
208103 | Zig:17   | Killed Zehomm the pandemonium lord
208105 | Zig:17   | Killed Qeeb the pandemonium lord
208105 | Zig:17   | Killed Reifioruymm the pandemonium lord
208105 | Zig:17   | Noticed Piocrim the pandemonium lord
208105 | Zig:17   | Noticed Mutiemu the pandemonium lord
208105 | Zig:17   | Noticed Logyes the pandemonium lord
208106 | Abyss:5  | Cast into level 5 of the Abyss (Ceduzoan)
208152 | Zig:17   | Escaped the Abyss
208152 | Zig:17   | Noticed Dyjeso the pandemonium lord
208152 | Zig:17   | Noticed Ystrit the pandemonium lord
208153 | Zig:17   | Noticed Goiwa the pandemonium lord
208155 | Zig:17   | Killed Zuivops the pandemonium lord
208156 | Zig:17   | Killed Suqegix the pandemonium lord
208156 | Zig:17   | Killed Ysywet the pandemonium lord
208156 | Zig:17   | Noticed Idwuc the pandemonium lord
208156 | Zig:17   | Noticed Gehilai the pandemonium lord
208157 | Zig:17   | Killed Miamacas the pandemonium lord
208158 | Zig:17   | Killed Mirhiyro the pandemonium lord
208158 | Zig:17   | Noticed Cadui the pandemonium lord
208159 | Zig:17   | Killed Hathratt the pandemonium lord
208159 | Zig:17   | Killed Susionad the pandemonium lord
208160 | Zig:17   | Killed Mutiemu the pandemonium lord
208160 | Zig:17   | Killed Fatwefi the pandemonium lord
208160 | Zig:17   | Killed Dyjeso the pandemonium lord
208160 | Zig:17   | Killed Laassaf the pandemonium lord
208161 | Zig:17   | Killed Tuwamame the pandemonium lord
208161 | Zig:17   | Killed Dasiwnyff the pandemonium lord
208162 | Zig:17   | Killed Seapno Cemm the pandemonium lord
208162 | Zig:17   | Killed Ifest the pandemonium lord
208162 | Zig:17   | Killed Ystrit the pandemonium lord
208162 | Zig:17   | Killed Goiwa the pandemonium lord
208162 | Zig:17   | Noticed Efreanli the pandemonium lord
208163 | Zig:17   | Killed Ceduzoan the pandemonium lord
208163 | Zig:17   | Killed Logyes the pandemonium lord
208164 | Zig:17   | Killed Ekora the pandemonium lord
208164 | Zig:17   | Killed Dahoh the pandemonium lord
208164 | Zig:17   | Noticed Quwum the pandemonium lord
208165 | Zig:17   | Killed Piocrim the pandemonium lord
208165 | Zig:17   | Noticed Moarufil the pandemonium lord
208165 | Zig:17   | Killed Cadui the pandemonium lord
208165 | Zig:17   | Noticed Tuphin the pandemonium lord
208167 | Zig:17   | Noticed Jayw the pandemonium lord
208169 | Zig:17   | Killed Gehilai the pandemonium lord
208169 | Zig:17   | Noticed Ulumuoda the pandemonium lord
208172 | Zig:17   | Killed Efreanli the pandemonium lord
208173 | Zig:17   | Noticed Ibanej the pandemonium lord
208174 | Zig:17   | Killed Quwum the pandemonium lord
208178 | Zig:17   | Killed Idwuc the pandemonium lord
208181 | Zig:17   | Noticed Wibbeeskio the pandemonium lord
208181 | Zig:17   | Killed Ulumuoda the pandemonium lord
208182 | Zig:17   | Killed Tuphin the pandemonium lord
208184 | Zig:17   | Killed Moarufil the pandemonium lord
208185 | Zig:17   | Noticed Ipymp the pandemonium lord
208186 | Zig:17   | Killed Jayw the pandemonium lord
208191 | Zig:17   | Killed Wibbeeskio the pandemonium lord
208192 | Zig:17   | Noticed Cocavum the pandemonium lord
208193 | Zig:17   | Killed Ibanej the pandemonium lord
208206 | Zig:17   | Killed Cocavum the pandemonium lord
208220 | Zig:17   | Killed Ipymp the pandemonium lord
208233 | Zig:17   | Found the +1 robe of Vines {NoPotionHeal Regen++++}
208616 | Zig:17   | Identified the staff of cold "Eqyfosaj" {rElec rC+ MP+9}
208617 | Zig:17   | Identified the ring of Nates {rElec rN+ Str+2 SInv}
208620 | Zig:17   | Identified the +0 trident of the Trees {holy, rF+++ Will-
                  | rCorr MP-9}
208625 | Zig:17   | Identified the ring of Xom's Recklessness {rPois rF- rN+
                  | Will+ Dex+6}
208628 | Zig:17   | Identified the +6 chain mail of Upusu {rElec}
208632 | Zig:17   | Identified the ring of Life {rPois rC+ rN+ rCorr Dex-3}
208638 | Zig:17   | Identified the staff of death "Fosir" {rC+ rN+ Stlth+}
208671 | Zig:18   | Entered Level 18 of a ziggurat
208676 | Zig:18   | Noticed an ancient lich
208691 | Zig:18   | Paralysed by accursed screaming for 2 turns
208699 | Zig:18   | Paralysed by accursed screaming for 2 turns
208700 | Zig:18   | HP: 5/199 [black draconian knight/+0 glaive (16)]
208701 | Zig:18   | Slain by an ancient lich (5 damage)
                  | ... while paralysed by accursed screaming
208712 | Zig:18   | Killed an ancient lich
208714 | Zig:18   | Killed from afar by a starcursed mass (45 damage)
                  | ... with an accursed screaming
208714 | Zig:18   | Paralysed by accursed screaming for 2 turns
208721 | Zig:18   | HP: 1/159 [starcursed mass/accursed screaming (21)]
208721 | Zig:18   | Paralysed by accursed screaming for 2 turns
208722 | Zig:18   | Mangled by a bone dragon (13 damage)
                  | ... while paralysed by accursed screaming
208752 | Zig:18   | Killed from afar by a starcursed mass (47 damage)
                  | ... with an accursed screaming
208752 | Zig:18   | Paralysed by accursed screaming for 2 turns
208759 | Zig:18   | Paralysed by accursed screaming for 2 turns
208770 | Zig:18   | HP: 5/199 [starcursed mass/accursed screaming (38)]
208770 | Zig:18   | Paralysed by accursed screaming for 2 turns
208772 | Zig:18   | Slain by a bone dragon (6 damage)
                  | ... while paralysed by accursed screaming
208789 | Zig:18   | Paralysed by accursed screaming for 2 turns
208803 | Zig:18   | Paralysed by accursed screaming for 2 turns
208804 | Zig:18   | Killed from afar by a starcursed mass (45 damage)
                  | ... with an accursed screaming
                  | ... while paralysed by accursed screaming
208827 | Zig:18   | Killed from afar by a starcursed mass (77 damage)
                  | ... with an accursed screaming
208827 | Zig:18   | Paralysed by accursed screaming for 2 turns
208835 | Zig:18   | Paralysed by accursed screaming for 2 turns
208837 | Zig:18   | Killed from afar by a starcursed mass (66 damage)
                  | ... with an accursed screaming
                  | ... while paralysed by accursed screaming
208850 | Zig:18   | HP: 4/199 [starcursed mass/accursed screaming (52)]
208850 | Zig:18   | Killed by divine providence
                  | ... invoked by a smoke demon
                  | (14 damage)
208861 | Zig:18   | Paralysed by accursed screaming for 2 turns
208869 | Zig:18   | Killed from afar by a starcursed mass (50 damage)
                  | ... with an accursed screaming
208869 | Zig:18   | Paralysed by accursed screaming for 2 turns
208882 | Zig:18   | Paralysed by accursed screaming for 2 turns
208893 | Zig:18   | HP: 5/199 [starcursed mass/accursed screaming (22)]
208899 | Zig:18   | Killed from afar by a starcursed mass (21 damage)
                  | ... with an accursed screaming
208906 | Zig:18   | Paralysed by accursed screaming for 2 turns
208907 | Zig:18   | Killed from afar by a starcursed mass (60 damage)
                  | ... with an accursed screaming
                  | ... while paralysed by accursed screaming
208920 | Zig:18   | Paralysed by accursed screaming for 2 turns
208931 | Zig:18   | Paralysed by accursed screaming for 2 turns
208943 | Zig:18   | Killed from afar by a starcursed mass (40 damage)
                  | ... with an accursed screaming
208960 | Zig:18   | Paralysed by accursed screaming for 2 turns
208967 | Zig:18   | Killed from afar by a starcursed mass (58 damage)
                  | ... with an accursed screaming
208967 | Zig:18   | Paralysed by accursed screaming for 2 turns
208982 | Zig:18   | Paralysed by accursed screaming for 2 turns
208988 | Zig:18   | Lost intelligence.
208992 | Zig:18   | Killed from afar by a starcursed mass (26 damage)
                  | ... with an accursed screaming
208992 | Zig:18   | Paralysed by accursed screaming for 2 turns
208996 | Zig:18   | Paralysed by accursed screaming for 2 turns
209009 | Zig:18   | Noticed a dread lich
209016 | Zig:18   | Killed a dread lich
209042 | Zig:18   | Identified the +9 quick blade "Hiocus" {protect, +Blink
                  | Str-2 Int+2}
209104 | Zig:18   | Identified the staff of conjuration "Sutwum" {Str+2 SInv}
209105 | Zig:18   | Identified the +2 ring mail "Dafoicui" {Rampage}
209106 | Zig:18   | Identified the +12 flail "Kitaera" {freeze, Dex+4}
209113 | Zig:18   | Identified the staff of air "Hewiacko" {rElec rF+}
209122 | Zig:18   | Identified the ring "Wofoshru" {rC- Int+6 Dex+4}
209130 | Zig:18   | Identified the +1 flail "Guxtirioba" {freeze, rElec MP+9
                  | Str+2}
209170 | Zig:19   | Entered Level 19 of a ziggurat
209171 | Zig:19   | Noticed Zenecom's ghost (legendary MiFi)
209172 | Zig:19   | Noticed reasonance's ghost (legendary HOMo)
209172 | Zig:19   | Noticed runemage's ghost (legendary GnFi)
209172 | Zig:19   | Noticed ragingrage's ghost (legendary OpFE)
209172 | Zig:19   | Noticed Heartburn's ghost (veteran MiFi)
209172 | Zig:19   | Noticed Talannal's ghost (legendary GnHW)
209172 | Zig:19   | Noticed sleeves's ghost (legendary DsFi)
209172 | Zig:19   | Noticed strangelove's ghost (master GrEE)
209172 | Zig:19   | Noticed Haitsiopt's ghost (legendary DsGl)
209172 | Zig:19   | Noticed reasonance's ghost (legendary HOMo)
209172 | Zig:19   | Noticed melllvar's ghost (legendary MiBe)
209172 | Zig:19   | Noticed meatyocre's ghost (veteran TrFi)
209172 | Zig:19   | Noticed Vuopse's ghost (legendary GnIE)
209172 | Zig:19   | Noticed Unuchuin's ghost (legendary GnFi)
209173 | Zig:19   | Noticed Gemnonof's ghost (adept DgCj)
209173 | Zig:19   | Noticed sleeves's ghost (legendary HuEE)
209173 | Zig:19   | Noticed Qeseci's ghost (legendary NaTm)
209174 | Zig:19   | Noticed melllvar's ghost (legendary MiBe)
209175 | Zig:19   | Noticed Talannal's ghost (legendary GnHW)
209175 | Zig:19   | Noticed Likado's ghost (legendary GnSk)
209175 | Zig:19   | Noticed Piginabag's ghost (veteran GnMo)
209176 | Zig:19   | Noticed WiseOSalty's ghost (legendary TrGl)
209176 | Zig:19   | Noticed Xatwola's ghost (legendary DDFi)
209177 | Zig:19   | Noticed Giojuova's ghost (legendary GnBe)
209178 | Zig:19   | Noticed Viugiw's ghost (legendary TeBe)
209178 | Zig:19   | Noticed Likado's ghost (legendary GnSk)
209182 | Zig:19   | Killed runemage's ghost
209182 | Zig:19   | Noticed EricTams's ghost (veteran MiBe)
209183 | Zig:19   | Noticed deprived's ghost (legendary HOFi)
209184 | Zig:19   | Noticed Reun's ghost (legendary GrEE)
209184 | Zig:19   | Noticed Nenig's ghost (legendary GnFi)
209185 | Zig:19   | Noticed BerryKnight's ghost (legendary DgFi)
209188 | Zig:19   | Killed ragingrage's ghost
209191 | Zig:19   | Noticed Viugiw's ghost (legendary TeBe)
209193 | Zig:19   | Noticed Gemnonof's ghost (adept DgCj)
209199 | Zig:19   | Noticed ragingrage's ghost (legendary OpFE)
209199 | Zig:19   | Slain by Qeseci's ghost (20 damage)
209205 | Zig:19   | Noticed Kucykkydd's ghost (legendary MiFi)
209209 | Zig:19   | Noticed WiseOSalty's ghost (legendary TrGl)
209212 | Zig:19   | Noticed Marixus's ghost (legendary DDFi)
209212 | Zig:19   | Noticed astronautguy's ghost (legendary FoEE)
209212 | Zig:19   | HP: 2/197 [Likado's ghost (13)]
209214 | Zig:19   | Annihilated by Qeseci's ghost (29 damage)
209217 | Zig:19   | Noticed Joizeul's ghost (veteran MiBe)
209217 | Zig:19   | Noticed Dameikh's ghost (veteran FoFi)
209218 | Zig:19   | Noticed Janeylunn's ghost (veteran GnWn)
209218 | Zig:19   | Noticed SevenDeadlySins's ghost (legendary DrCj)
209219 | Zig:19   | Noticed Nenig's ghost (legendary GnFi)
209219 | Zig:19   | Noticed strangelove's ghost (master GrEE)
209220 | Zig:19   | Noticed Fugi's ghost (legendary FoFi)
209220 | Zig:19   | Noticed Ecsetopt's ghost (legendary BaWn)
209220 | Zig:19   | Noticed Janeylunn's ghost (veteran GnWn)
209220 | Zig:19   | Noticed Zenecom's ghost (legendary MiFi)
209221 | Zig:19   | Noticed astronautguy's ghost (legendary FoEE)
209221 | Zig:19   | Noticed Zenecom's ghost (legendary MiFi)
209221 | Zig:19   | Noticed Huju's ghost (legendary HOFi)
209221 | Zig:19   | Killed Gemnonof's ghost
209221 | Zig:19   | Killed strangelove's ghost
209221 | Zig:19   | Noticed Teaz Xo Upt's ghost (legendary GnFE)
209221 | Zig:19   | Noticed Sext's ghost (legendary MiFi)
209222 | Zig:19   | Noticed Fouwomub's ghost (legendary FoEE)
209222 | Zig:19   | Noticed corvin's ghost (legendary OgWn)
209222 | Zig:19   | Noticed Pohawk's ghost (adept MiGl)
209222 | Zig:19   | Noticed astronautguy's ghost (legendary FoEE)
209222 | Zig:19   | Killed Viugiw's ghost
209226 | Zig:19   | HP: 9/199 [WiseOSalty's ghost (18)]
209231 | Zig:19   | Killed Unuchuin's ghost
209231 | Zig:19   | HP: 9/199 [??? (1)]
209232 | Zig:19   | Killed sleeves's ghost
209233 | Zig:19   | Killed Viugiw's ghost
209233 | Zig:19   | Killed Janeylunn's ghost
209233 | Zig:19   | Killed Dameikh's ghost
209233 | Zig:19   | Killed Piginabag's ghost
209234 | Zig:19   | Killed ragingrage's ghost
209234 | Zig:19   | Killed Giojuova's ghost
209235 | Zig:19   | Killed Gemnonof's ghost
209235 | Zig:19   | Killed Heartburn's ghost
209235 | Zig:19   | Killed strangelove's ghost
209235 | Zig:19   | Killed meatyocre's ghost
209235 | Zig:19   | Killed from afar by Vuopse's ghost (26 damage)
                  | ... with a vortex
209236 | Zig:19   | Killed Talannal's ghost
209236 | Zig:19   | Killed Pohawk's ghost
209236 | Zig:19   | Killed Nenig's ghost
209236 | Zig:19   | Killed EricTams's ghost
209236 | Zig:19   | Killed astronautguy's ghost
209236 | Zig:19   | Killed Reun's ghost
209236 | Zig:19   | Killed Ecsetopt's ghost
209236 | Zig:19   | Killed sleeves's ghost
209236 | Zig:19   | Killed SevenDeadlySins's ghost
209237 | Zig:19   | Killed Nenig's ghost
209237 | Zig:19   | Killed reasonance's ghost
209237 | Zig:19   | Killed Fugi's ghost
209237 | Zig:19   | Killed Teaz Xo Upt's ghost
209237 | Zig:19   | Killed Joizeul's ghost
209238 | Zig:19   | Killed Zenecom's ghost
209242 | Zig:19   | Killed melllvar's ghost
209243 | Zig:19   | Killed Vuopse's ghost
209245 | Zig:19   | Killed Fouwomub's ghost
209245 | Zig:19   | Killed reasonance's ghost
209247 | Zig:19   | Killed BerryKnight's ghost
209248 | Zig:19   | Killed Zenecom's ghost
209248 | Zig:19   | Killed Talannal's ghost
209248 | Zig:19   | Killed Xatwola's ghost
209248 | Zig:19   | Mangled by Huju's ghost (28 damage)
209250 | Zig:19   | Killed melllvar's ghost
209250 | Zig:19   | Killed Qeseci's ghost
209251 | Zig:19   | Killed WiseOSalty's ghost
209252 | Zig:19   | Killed corvin's ghost
209252 | Zig:19   | Killed Likado's ghost
209253 | Zig:19   | Killed Kucykkydd's ghost
209262 | Zig:19   | Killed Haitsiopt's ghost
209268 | Zig:19   | Killed Sext's ghost
209268 | Zig:19   | Killed WiseOSalty's ghost
209269 | Zig:19   | Killed Zenecom's ghost
209270 | Zig:19   | HP: 1/199 [astronautguy's ghost/vortex (20)]
209270 | Zig:19   | Killed Marixus's ghost
209270 | Zig:19   | Killed Janeylunn's ghost
209270 | Zig:19   | Killed deprived's ghost
209272 | Zig:19   | Killed from afar by astronautguy's ghost (17 damage)
                  | ... with a vortex
209273 | Zig:19   | Killed Likado's ghost
209273 | Zig:19   | Killed Huju's ghost
209281 | Zig:19   | Killed astronautguy's ghost
209293 | Zig:19   | Killed from afar by astronautguy's ghost (28 damage)
                  | ... with a great blast of fire
209295 | Zig:19   | Killed astronautguy's ghost
209423 | Zig:19   | Identified the +0 ring mail "Mateept" {Int+2}
209426 | Zig:19   | Identified the +1 long sword of Eternity {vamp, Int+3}
209427 | Zig:19   | Identified the +5 dagger of the Slime-mould {elec, rF+
                  | SInv}
209433 | Zig:19   | Identified the amulet of the Jumping Priest {rElec rC-
                  | Will+ Regen+}
209442 | Zig:19   | Identified the +5 chain mail of Rationality {Int+4 Dex+3}
209456 | Zig:19   | Identified the +0 long sword of the Scavenger {protect, rF+
                  | Str+3 Dex-2}
209460 | Zig:19   | Identified the +3 spear "Tiock" {venom, Fly Int+4}
209462 | Zig:19   | Identified the staff of earth "Fing" {rF+ rN++ SInv Stlth-}
209522 | Zig:19   | Acquired 833 gold pieces
209524 | Zig:19   | Acquired 728 gold pieces
209529 | Zig:20   | Entered Level 20 of a ziggurat
209584 | Zig:20   | Found the +5 robe of Night {Dark Will+ SInv}
209977 | Zig:20   | Identified the ring "Gaomoduh" {rC++ AC+4 Dex+4 Stlth-}
209979 | Zig:20   | Identified the +4 dire flail of Incongruity {freeze, rElec}
209980 | Zig:20   | Identified the amulet of Addai {Acrobat rPois Stlth+}
209986 | Zig:20   | Identified the +1 sling of Esexuas {heavy, rElec rF- Int+5
                  | Stlth+}
209999 | Zig:20   | Identified the +5 shortbow "Disk" {heavy, Fly MP+9 Str-5}
210002 | Zig:21   | Entered Level 21 of a ziggurat
210073 | Zig:21   | Found the +8 trident of the Octopus King {venom, rElec
                  | rPois}
210076 | Zig:21   | Found the +5 Force Lance {heavy, knockback}
210083 | Zig:21   | Identified the staff of earth "Edaonk" {Str+3 SInv}
210084 | Zig:21   | Identified the +0 chain mail of Incorporation {Will+ Str+4
                  | Dex+2}
210370 | Zig:21   | Identified the staff of air "Iphewus" {rElec rPois rF- rC+
                  | Will+++}
210372 | Zig:21   | Identified the ring "Ymaith" {rN++ Will+ SInv}
210374 | Zig:21   | Identified the +4 pair of gloves of Generosity {rF+ Str+5}
210380 | Zig:21   | Identified the staff of earth "Kuckav" {rElec rN+ Str+2
                  | Int+2}
210385 | Zig:21   | Identified the staff of fire "Vosk" {rF+ Str+5}
210407 | Zig:22   | Entered Level 22 of a ziggurat
210407 | Zig:22   | Noticed an ancient lich
210410 | Zig:22   | Paralysed by accursed screaming for 2 turns
210416 | Zig:22   | Killed an ancient lich
210427 | Zig:22   | Noticed an ancient lich
210429 | Zig:22   | Paralysed by accursed screaming for 1 turns
210434 | Zig:22   | HP: 1/159 [starcursed mass/accursed screaming (10)]
210434 | Zig:22   | Killed by divine providence
                  | ... invoked by a smoke demon
                  | (16 damage)
210441 | Zig:22   | Killed an ancient lich
210452 | Zig:22   | Paralysed by accursed screaming for 2 turns
210458 | Zig:22   | HP: 3/199 [wretched star/lance of force (8)]
210458 | Zig:22   | Killed from afar by a starcursed mass (9 damage)
                  | ... with an accursed screaming
210527 | Zig:22   | Killed from afar by a starcursed mass (43 damage)
                  | ... with an accursed screaming
210527 | Zig:22   | Paralysed by accursed screaming for 2 turns
210543 | Zig:22   | Killed from afar by a starcursed mass (71 damage)
                  | ... with an accursed screaming
210545 | Zig:22   | Paralysed by accursed screaming for 2 turns
210564 | Zig:22   | HP: 5/199 [starcursed mass/accursed screaming (8)]
210564 | Zig:22   | Paralysed by accursed screaming for 2 turns
210574 | Zig:22   | HP: 1/199 [starcursed mass/accursed screaming (8)]
210576 | Zig:22   | Killed from afar by a starcursed mass (6 damage)
                  | ... with an accursed screaming
210602 | Zig:22   | Identified the +3 leather armour "Rezen" {Str+3 Int+3}
210606 | Zig:22   | Identified the +1 robe "Tyarof" {Contam +Inv rC+ rCorr}
210610 | Zig:22   | Identified the +3 leather armour "Cathij" {Regen+ Str+2}
210636 | Zig:23   | Entered Level 23 of a ziggurat
210661 | Zig:23   | Killed from afar by a red draconian scorcher (50 damage)
                  | ... with a bolt of magma
210679 | Zig:23   | Killed from afar by a black draconian knight (39 damage)
                  | ... with a bolt of cold
210716 | Zig:23   | HP: 6/199 [yellow draconian annihilator/glob of acid (6)]
211145 | Zig:23   | Identified the +7 quarterstaff of the Beast {antimagic,
                  | Contam rF+ Str+4}
211150 | Zig:23   | Identified the +10 glaive "Wiegic" {freeze, MP+9 Str+4
                  | Int-4}
211155 | Zig:23   | Identified the staff of air "Jounex" {rElec Will++ Str+2}
211160 | Zig:23   | Identified the amulet "Forik" {rElec rC- Regen+ Int+6
                  | Dex-4}
211164 | Zig:23   | Identified the orb of the Wasteland {*Rage, Slay+2 Stlth+}
211172 | Zig:23   | Identified the ring "Fodeur" {Fire rCorr Str-5 Dex+4}
211175 | Zig:23   | Identified the +8 mace of Unim {flame, rC+ Will- Int+3
                  | SInv}
211176 | Zig:23   | Identified the staff of air "Ubbibats" {rElec Str+2 Int-3
                  | Stlth+}
211177 | Zig:23   | Identified the +1 short sword "Wyakit" {heavy, rCorr}
211313 | Zig:24   | Entered Level 24 of a ziggurat
211524 | Zig:24   | Identified the +2 dagger of the Chickpea {heavy, rCorr}
211527 | Zig:24   | Identified the amulet of Winter {RegenMP Will+ Int+2}
211530 | Zig:24   | Identified the ring of Boisu {Fly rN+ Str+5 Stlth+}
211534 | Zig:24   | Identified the ring of Mutaocs {Fly Int+2 Dex+6}
211535 | Zig:24   | Identified the +3 rapier "Xohu Tiw" {flame, Str+6 Int+2
                  | Dex-4}
211543 | Zig:24   | Identified the +4 scale mail "Umaretos" {Str+8}
211545 | Zig:24   | Identified the staff of fire "Powoitol" {rElec rPois rF+
                  | Dex-3 Stlth+}
211547 | Zig:24   | Identified the +2 robe of Valiance {Will+ Str-2 Int+3}
211555 | Zig:24   | Identified the +3 shortbow of the Imbibing Queen {freeze,
                  | rPois rCorr Int+4 Stlth+}
211559 | Zig:24   | Identified the +1 long sword "Bieduis" {flame, rF- Str+10}
211563 | Zig:24   | Identified the +4 great sword of the Endless Expanse {vamp,
                  | Fly Int+3}
211572 | Zig:24   | Identified the amulet "Coclaoto" {Spirit Harm rPois rC+}
211573 | Zig:24   | Identified the +1 trident of the Realm of Zot {drain,
                  | Contam Fly Str+3 Dex+4}
211580 | Zig:24   | Identified the staff of earth "Kawk" {Int+3 Dex-4 SInv}
211593 | Zig:24   | Identified the +2 trident of Seeq {freeze, rN+ Str+3}
211605 | Zig:25   | Entered Level 25 of a ziggurat
211606 | Zig:25   | Noticed a dread lich
211611 | Zig:25   | Killed a dread lich
211640 | Zig:25   | Paralysed by accursed screaming for 2 turns
211650 | Zig:25   | Killed from afar by a starcursed mass (51 damage)
                  | ... with an accursed screaming
211654 | Zig:25   | Paralysed by accursed screaming for 2 turns
211668 | Zig:25   | Identified the +5 tower shield of Noughts and Crosses {Harm
                  | rF++ Int-5 Stlth-}
211673 | Zig:25   | Paralysed by accursed screaming for 2 turns
211674 | Zig:25   | HP: 4/199 [spatial maelstrom (14)]
211675 | Zig:25   | HP: 1/199 [bone dragon (2)]
211676 | Zig:25   | Killed from afar by a starcursed mass (8 damage)
                  | ... with an accursed screaming
211714 | Zig:25   | HP: 8/199 [bone dragon (5)]
211714 | Zig:25   | Killed from afar by a starcursed mass (13 damage)
                  | ... with an accursed screaming
211724 | Zig:25   | Paralysed by accursed screaming for 2 turns
211730 | Zig:25   | Paralysed by accursed screaming for 2 turns
211731 | Zig:25   | Killed from afar by a starcursed mass (49 damage)
                  | ... with an accursed screaming
                  | ... while paralysed by accursed screaming
211748 | Zig:25   | Paralysed by you for 3 turns
211752 | Zig:25   | Killed from afar by a starcursed mass (26 damage)
                  | ... with an accursed screaming
211756 | Zig:25   | Paralysed by you for 4 turns
211769 | Zig:25   | Paralysed by accursed screaming for 1 turns
211780 | Zig:25   | Paralysed by accursed screaming for 1 turns
211788 | Zig:25   | Identified the staff of poison "Tiarghio" {rPois Str+4}
211798 | Zig:25   | HP: 7/199 [starcursed mass/accursed screaming (7)]
211805 | Zig:25   | HP: 2/199 [starcursed mass/accursed screaming (7)]
211806 | Zig:25   | Killed from afar by a starcursed mass (4 damage)
                  | ... with an accursed screaming
211933 | Zig:25   | Identified the ring "Siklid" {rPois rF++ rC- Will- Str+2}
211934 | Zig:25   | Identified the +6 falchion of Napibocral {elec, rCorr
                  | Stlth+}
211935 | Zig:25   | Identified the staff of cold "Zergha" {rC+ rN+ Will+ Str+5}
211948 | Zig:25   | Identified the amulet "Rietoxot" {Reflect rElec rC+ Int-3
                  | Dex+2 SH+5}
211959 | Zig:25   | Identified the ring of Generosity {rF+ AC+4}
211960 | Zig:25   | Identified the +5 arbalest of Hoxuavass {penet, rC+}
211978 | Zig:25   | Identified the ring "Ulealal" {rF++ Will+ Int+2}
211982 | Zig:25   | Identified the +8 lajatang "Reatenop" {flame, Str+5 Stlth+}
212012 | Zig:26   | Entered Level 26 of a ziggurat
212047 | Zig:26   | HP: 7/199 [wind drake/the air (20)]
212048 | Zig:26   | Killed by the raging water
                  | ... invoked by a water nymph
                  | (12 damage)
212202 | Zig:26   | Identified the staff of death "Zat Koimi" {rF+ rN+}
212203 | Zig:26   | Identified the staff of fire "Nienuum" {rPois rF+ rC++ MP+9
                  | Dex-4}
212213 | Zig:26   | Identified the staff of fire "Taritos" {+Blink rPois rF+
                  | Str+4 Int+3}
212225 | Zig:26   | Identified the ring of Noon {rElec rF+ Will+ rCorr}
212236 | Zig:26   | Identified the +1 plate armour "Tuscheleub" {Stlth+}
212263 | Zig:27   | Entered Level 27 of a ziggurat
212331 | Zig:27   | Found the +4 skin of Zhor {*Englaciate rC+++ SInv}
212474 | Zig:27   | Identified the staff of poison "Kaubuf" {rPois Int+4}
212565 | Zig:27   | Identified the +6 falchion "Giantslayer" {flame, rPois rC+}
212581 | Zig:27   | Identified the +3 great sword "Din Muhy" {pain, rPois rC-
                  | rN++ Str+3}
212587 | Zig:27   | Identified the ring of Ru's Generosity {rCorr Str+3}
212665 | Depths:4 | Learned a level 4 spell: Anguish
212676 | Zig:1    | Entered Level 1 of a ziggurat
212678 | Zig:1    | Noticed Elamuud the pandemonium lord
212698 | Zig:1    | Killed Elamuud the pandemonium lord
213024 | Zig:2    | Entered Level 2 of a ziggurat
213030 | Zig:2    | Noticed Ofuhua the pandemonium lord
213030 | Zig:2    | Killed from afar by a blizzard demon (32 damage)
                  | ... with a bolt of cold
213056 | Zig:2    | Killed Ofuhua the pandemonium lord
213159 | Zig:3    | Entered Level 3 of a ziggurat
213200 | Zig:3    | Identified the +4 trident of Buxemuun {heavy, rElec Dex+5
                  | Stlth-}
213211 | Zig:4    | Entered Level 4 of a ziggurat
213481 | Zig:5    | Entered Level 5 of a ziggurat
213481 | Zig:5    | Noticed an orb of fire
213481 | Zig:5    | Noticed an orb of fire
213481 | Zig:5    | Noticed an orb of fire
213481 | Zig:5    | Noticed an orb of fire
213481 | Zig:5    | Noticed an orb of fire
213483 | Zig:5    | Noticed an orb of fire
213483 | Zig:5    | Noticed an orb of fire
213483 | Zig:5    | Noticed an orb of fire
213483 | Zig:5    | Noticed an orb of fire
213484 | Zig:5    | Noticed an orb of fire
213485 | Zig:5    | HP: 8/199 [orb of fire/bolt of fire (40)]
213485 | Zig:5    | Killed from afar by an orb of fire (25 damage)
                  | ... with a fireball
213485 | Zig:5    | Killed from afar by an orb of fire (39 damage)
                  | ... with a bolt of fire
213486 | Zig:5    | Noticed an orb of fire
213487 | Zig:5    | Noticed an orb of fire
213487 | Zig:5    | Killed from afar by an orb of fire (82 damage)
                  | ... with a fireball
213488 | Zig:5    | Killed an orb of fire
213488 | Zig:5    | Killed an orb of fire
213488 | Zig:5    | Killed an orb of fire
213488 | Zig:5    | Killed an orb of fire
213489 | Zig:5    | Killed an orb of fire
213493 | Zig:5    | Killed from afar by an orb of fire (47 damage)
                  | ... with a fireball
213494 | Zig:5    | Killed an orb of fire
213495 | Zig:5    | Killed an orb of fire
213495 | Zig:5    | Killed an orb of fire
213496 | Zig:5    | Killed an orb of fire
213498 | Zig:5    | Killed an orb of fire
213501 | Zig:5    | Killed an orb of fire
213503 | Zig:5    | Killed an orb of fire
213605 | Zig:5    | Acquired 884 gold pieces
213611 | Zig:6    | Entered Level 6 of a ziggurat
213611 | Zig:6    | Noticed Ifegoyh the pandemonium lord
213612 | Zig:6    | Noticed Lyuw the pandemonium lord
213612 | Zig:6    | Noticed Xuigidgh the pandemonium lord
213613 | Zig:6    | Noticed Sidghu the pandemonium lord
213613 | Zig:6    | Noticed Golaol the pandemonium lord
213613 | Zig:6    | Noticed Ungeru the pandemonium lord
213613 | Zig:6    | Noticed Eweefek the pandemonium lord
213613 | Zig:6    | Noticed Zeaxt the pandemonium lord
213613 | Zig:6    | Noticed Ybbuh the pandemonium lord
213613 | Zig:6    | Noticed Vuism the pandemonium lord
213613 | Zig:6    | Noticed Uqyloli the pandemonium lord
213613 | Zig:6    | Noticed Pouzikol the pandemonium lord
213613 | Zig:6    | Noticed Emaess the pandemonium lord
213613 | Zig:6    | Noticed Eroguf the pandemonium lord
213613 | Zig:6    | Noticed Dauz the pandemonium lord
213622 | Zig:6    | HP: 1/199 [Pouzikol the pandemonium lord/crystal spear
                  | (48)]
213624 | Zig:6    | Mangled by Emaess the pandemonium lord (8 damage)
213626 | Zig:6    | Killed Ifegoyh the pandemonium lord
213639 | Zig:6    | Killed Emaess the pandemonium lord
213643 | Zig:6    | Killed Dauz the pandemonium lord
213644 | Zig:6    | Killed Pouzikol the pandemonium lord
213652 | Zig:6    | Killed Eroguf the pandemonium lord
213654 | Zig:6    | HP: 4/199 [Vuism the pandemonium lord (7)]
213654 | Zig:6    | Demolished by Eweefek the pandemonium lord (21 damage)
213657 | Zig:6    | Killed Ungeru the pandemonium lord
213658 | Zig:6    | Killed Ybbuh the pandemonium lord
213659 | Zig:6    | Killed Lyuw the pandemonium lord
213667 | Zig:6    | Killed Uqyloli the pandemonium lord
213674 | Zig:6    | Killed Golaol the pandemonium lord
213676 | Zig:6    | HP: 7/199 [Brimstone Fiend[Zeaxt] (5)]
213678 | Zig:6    | Slain by Xuigidgh the pandemonium lord (10 damage)
213682 | Zig:6    | Killed Sidghu the pandemonium lord
213689 | Zig:6    | Killed Xuigidgh the pandemonium lord
213699 | Zig:6    | Killed Zeaxt the pandemonium lord
213702 | Zig:6    | Killed Vuism the pandemonium lord
213703 | Zig:6    | Killed Eweefek the pandemonium lord
213746 | Zig:7    | Entered Level 7 of a ziggurat
213746 | Zig:7    | Noticed an orb of fire
213746 | Zig:7    | Noticed an orb of fire
213746 | Zig:7    | Noticed an orb of fire
213747 | Zig:7    | Noticed an orb of fire
213747 | Zig:7    | Noticed an orb of fire
213747 | Zig:7    | Noticed an orb of fire
213747 | Zig:7    | Noticed an orb of fire
213747 | Zig:7    | Noticed an orb of fire
213748 | Zig:7    | Noticed an orb of fire
213749 | Zig:7    | Noticed an orb of fire
213750 | Zig:7    | Noticed an orb of fire
213750 | Zig:7    | Noticed an orb of fire
213750 | Zig:7    | Noticed an orb of fire
213750 | Zig:7    | HP: 8/199 [orb of fire/bolt of fire (3)]
213750 | Zig:7    | HP: 3/199 [orb of fire/bolt of fire (5)]
213750 | Zig:7    | Killed from afar by an orb of fire (48 damage)
                  | ... with a fireball
213751 | Zig:7    | Killed an orb of fire
213751 | Zig:7    | Noticed an orb of fire
213752 | Zig:7    | Killed an orb of fire
213752 | Zig:7    | Killed an orb of fire
213753 | Zig:7    | Noticed an orb of fire
213753 | Zig:7    | Noticed an orb of fire
213753 | Zig:7    | Killed from afar by an orb of fire (21 damage)
                  | ... with a bolt of fire
213754 | Zig:7    | Noticed an orb of fire
213755 | Zig:7    | Killed an orb of fire
213755 | Zig:7    | Killed an orb of fire
213755 | Zig:7    | Killed an orb of fire
213756 | Zig:7    | Killed from afar by an orb of fire (66 damage)
                  | ... with a bolt of fire
213758 | Zig:7    | Killed an orb of fire
213759 | Zig:7    | Killed an orb of fire
213762 | Zig:7    | Killed from afar by an orb of fire (23 damage)
                  | ... with a fireball
213764 | Zig:7    | Killed an orb of fire
213767 | Zig:7    | Killed an orb of fire
213767 | Zig:7    | HP: 4/199 [orb of fire/fireball (9)]
213769 | Zig:7    | Killed from afar by an orb of fire (46 damage)
                  | ... with a bolt of fire
213770 | Zig:7    | Killed an orb of fire
213774 | Zig:7    | Killed an orb of fire
213774 | Zig:7    | Killed from afar by an orb of fire (44 damage)
                  | ... with a bolt of fire
213775 | Zig:7    | Gained mutation: Armour fits poorly on your strangely
                  | shaped body. [an orb of fire]
213776 | Zig:7    | Killed an orb of fire
213778 | Zig:7    | Killed an orb of fire
213782 | Zig:7    | Killed an orb of fire
213786 | Zig:7    | Killed an orb of fire
213789 | Zig:7    | Killed an orb of fire
213966 | Zig:7    | Identified the staff of earth "Weotz" {Int+2}
213968 | Zig:7    | Identified the +1 hand crossbow "Lacertilian's Curse"
                  | {freeze, Will+}
213972 | Zig:7    | Identified the staff of air "Mapsug" {rElec rN+ Str+3
                  | Dex+2}
213976 | Zig:7    | Identified the +8 morningstar "Summytsy" {freeze, Will+
                  | rCorr Int+3 Dex+3}
213977 | Zig:7    | Identified the +2 buckler "Amugaz" {*Corrode Int+2 Slay+2}
213991 | Zig:7    | Identified the staff of poison "Ommiej" {rPois rF++}
214000 | Zig:8    | Entered Level 8 of a ziggurat
214000 | Zig:8    | Noticed Zyqin the pandemonium lord
214000 | Zig:8    | Noticed Ushasul the pandemonium lord
214000 | Zig:8    | Noticed Ilosch the pandemonium lord
214000 | Zig:8    | Noticed Buclez the pandemonium lord
214000 | Zig:8    | Noticed Owaggus the pandemonium lord
214000 | Zig:8    | Noticed Mykilon the pandemonium lord
214000 | Zig:8    | Noticed Ecrill the pandemonium lord
214000 | Zig:8    | Noticed Wiolyb the pandemonium lord
214000 | Zig:8    | Noticed Gesoniah the pandemonium lord
214001 | Zig:8    | Noticed Zimih the pandemonium lord
214001 | Zig:8    | Noticed Ipiriv the pandemonium lord
214002 | Zig:8    | Noticed Busam the pandemonium lord
214002 | Zig:8    | Noticed Lulitog the pandemonium lord
214002 | Zig:8    | Noticed Cuaved the pandemonium lord
214002 | Zig:8    | Noticed Utivicih the pandemonium lord
214002 | Zig:8    | Noticed Qaogudiz the pandemonium lord
214006 | Zig:8    | Noticed Esynos the pandemonium lord
214007 | Zig:8    | Noticed Ucveylli the pandemonium lord
214009 | Zig:8    | Noticed Morphoit the pandemonium lord
214012 | Zig:8    | Killed Ecrill the pandemonium lord
214016 | Zig:8    | Noticed Saxa the pandemonium lord
214018 | Zig:8    | Noticed Ytamnay the pandemonium lord
214018 | Zig:8    | Noticed Fufoinur the pandemonium lord
214021 | Zig:8    | Killed Morphoit the pandemonium lord
214021 | Zig:8    | Killed Zimih the pandemonium lord
214021 | Zig:8    | Killed Mykilon the pandemonium lord
214021 | Zig:8    | HP: 5/199 [Ytamnay the pandemonium lord/arc of chain
                  | lightning (33)]
214022 | Zig:8    | Killed Busam the pandemonium lord
214023 | Zig:8    | Killed Qaogudiz the pandemonium lord
214023 | Zig:8    | Engulfed by Buclez the pandemonium lord's freezing vapour
                  | (9 damage)
214024 | Zig:8    | Killed Wiolyb the pandemonium lord
214024 | Zig:8    | Killed Fufoinur the pandemonium lord
214024 | Zig:8    | Killed Utivicih the pandemonium lord
214024 | Zig:8    | Killed Saxa the pandemonium lord
214024 | Zig:8    | Killed Ucveylli the pandemonium lord
214024 | Zig:8    | Killed Esynos the pandemonium lord
214024 | Zig:8    | Killed Lulitog the pandemonium lord
214025 | Zig:8    | Killed Ushasul the pandemonium lord
214025 | Zig:8    | Killed Ilosch the pandemonium lord
214026 | Zig:8    | Killed Ipiriv the pandemonium lord
214030 | Zig:8    | Killed Owaggus the pandemonium lord
214032 | Zig:8    | Killed Ytamnay the pandemonium lord
214034 | Zig:8    | Killed Cuaved the pandemonium lord
214038 | Zig:8    | Killed Buclez the pandemonium lord
214040 | Zig:8    | Killed Gesoniah the pandemonium lord
214044 | Zig:8    | Killed Zyqin the pandemonium lord
214203 | Zig:8    | Identified the staff of air "Iluofecs" {rElec rF- Will++
                  | Dex+2}
214207 | Zig:8    | Identified the ring "Vaed Oli" {EV+5 Str+3 Dex+6 Slay-6}
214212 | Zig:8    | Identified the +0 pair of gloves of Daffodils {MP+9 Str+3}
214225 | Zig:9    | Entered Level 9 of a ziggurat
214436 | Zig:9    | Identified the +7 spear of Chance {drain, rN+ MP+9 Str+4}
214440 | Zig:9    | Identified the ring of Weklom {rN+ MP+9 Str+3 Dex-2 Stlth+}
214444 | Zig:9    | Identified the +6 dagger of Ancient Evil {protect, rPois
                  | rN+}
214447 | Zig:9    | Identified the staff of conjuration "Noxkega" {rN+ Dex+3}
214454 | Zig:9    | Identified the ring "Faumig" {Ice Str+3 Int+2}
214461 | Zig:9    | Identified the staff of earth "Hyergh" {rCorr Dex+3}
214468 | Zig:9    | Acquired the +5 triple crossbow of World's End {penet,
                  | Will+ rCorr}
214470 | Zig:9    | Acquired 1238 gold pieces
214477 | Zig:10   | Entered Level 10 of a ziggurat
214477 | Zig:10   | Noticed a royal mummy
214477 | Zig:10   | Noticed a royal mummy
214477 | Zig:10   | Noticed a royal mummy
214477 | Zig:10   | Noticed a royal mummy
214478 | Zig:10   | Noticed a royal mummy
214479 | Zig:10   | Noticed a royal mummy
214480 | Zig:10   | HP: 5/199 [mummy priest/divine providence (12)]
214480 | Zig:10   | Noticed a royal mummy
214481 | Zig:10   | Killed by a mummy priest's death curse (14 damage)
214482 | Zig:10   | Killed a royal mummy
214482 | Zig:10   | Noticed a royal mummy
214485 | Zig:10   | Noticed a royal mummy
214486 | Zig:10   | Killed a royal mummy
214488 | Zig:10   | HP: 6/199 [mummy priest/divine providence (13)]
214488 | Zig:10   | Killed by divine providence
                  | ... invoked by a mummy priest
                  | (11 damage)
214489 | Zig:10   | Noticed a royal mummy
214490 | Zig:10   | Killed a royal mummy
214490 | Zig:10   | Noticed a royal mummy
214490 | Zig:10   | Noticed a royal mummy
214491 | Zig:10   | Killed a royal mummy
214491 | Zig:10   | Noticed a royal mummy
214494 | Zig:10   | HP: 4/199 [royal mummy/divine providence (16)]
214495 | Zig:10   | Killed by divine providence
                  | ... invoked by a mummy priest
                  | (9 damage)
214495 | Zig:10   | Noticed a royal mummy
214498 | Zig:10   | Noticed a royal mummy
214499 | Zig:10   | Killed a royal mummy
214501 | Zig:10   | Killed a royal mummy
214502 | Zig:10   | Killed a royal mummy
214502 | Zig:10   | Killed by a royal mummy's death curse (19 damage)
214508 | Zig:10   | Killed a royal mummy
214508 | Zig:10   | HP: 4/199 [royal mummy/divine providence (9)]
214508 | Zig:10   | Killed by divine providence
                  | ... invoked by a royal mummy
                  | (16 damage)
214510 | Zig:10   | Killed a royal mummy
214514 | Zig:10   | Killed a royal mummy
214517 | Zig:10   | Killed a royal mummy
214517 | Zig:10   | Killed a royal mummy
214521 | Zig:10   | Killed a royal mummy
214522 | Zig:10   | Killed a royal mummy
214525 | Zig:10   | Killed a royal mummy
214968 | Zig:10   | Identified the +6 flail of Ziokhluigg {heavy, rElec Will+
                  | MP+9 Dex-3}
214994 | Zig:11   | Entered Level 11 of a ziggurat
215364 | Zig:11   | Identified the +0 chain mail "Ynin" {Str+4}
215365 | Zig:11   | Identified the +1 shortbow of Destruction {freeze, rN++}
215366 | Zig:11   | Identified the +1 long sword of Movaddy {freeze, rPois}
215371 | Zig:11   | Identified the staff of poison "Guedib" {rPois rN++ Int-5}
215375 | Zig:11   | Identified the +8 falchion of the Pillar {drain, rPois
                  | Stlth+}
215381 | Zig:12   | Entered Level 12 of a ziggurat
215385 | Zig:12   | Found the +9 scales of the Dragon King {rPois rF+ rC+
                  | Will+}
215549 | Zig:12   | Identified the +0 quick blade of Hotutiyq {vamp, rC+ Dex+4
                  | Stlth+}
215561 | Zig:12   | Identified the staff of cold "Fiphydus" {rC+ rN+++ Int+2
                  | Dex-2}
215564 | Zig:12   | Identified the ring of Ohutt {Dex+2 SInv}
215571 | Zig:12   | Identified the ring "Xese" {rCorr Str+4 Stlth-}
215577 | Zig:12   | Identified the +3 halberd of Blood-Lust {heavy, rCorr
                  | Stlth+}
215581 | Zig:12   | Identified the staff of conjuration "Udom" {rElec Dex+3}
215583 | Zig:13   | Entered Level 13 of a ziggurat
215607 | Zig:13   | Killed from afar by a black draconian knight (29 damage)
                  | ... with a bolt of cold
215695 | Zig:13   | Identified the +9 mace "Leviticus" {heavy, Str+4}
215698 | Zig:13   | Identified the +9 hand axe of the Jumping Sybil {heavy,
                  | rElec rC+ Int-3 Stlth+}
215707 | Zig:13   | Identified the +1 pair of boots "Kenelur" {Stlth+}
215711 | Zig:13   | Identified the +2 robe "Bidwon" {Dex+2}
215713 | Zig:13   | Identified the staff of air "Hipuovan" {Drain rElec rPois
                  | rCorr Dex+5}
215715 | Zig:13   | Identified the staff of fire "Dyoz" {rPois rF+ rC+ Dex-5}
215733 | Zig:14   | Entered Level 14 of a ziggurat
216037 | Zig:14   | Identified the +4 scale mail of Ruaxit {rPois Int+2}
216042 | Zig:14   | Identified the staff of air "Yggy" {rElec rPois rF- rN+++
                  | rCorr}
216083 | Zig:15   | Entered Level 15 of a ziggurat
216083 | Zig:15   | Noticed an ancient lich
216085 | Zig:15   | Noticed a dread lich
216088 | Zig:15   | Killed a dread lich
216092 | Zig:15   | Killed an ancient lich
216102 | Zig:15   | Noticed an ancient lich
216104 | Zig:15   | Noticed an ancient lich
216104 | Zig:15   | Noticed a dread lich
216113 | Zig:15   | Noticed a dread lich
216116 | Zig:15   | Noticed a dread lich
216120 | Zig:15   | Killed an ancient lich
216121 | Zig:15   | Killed an ancient lich
216122 | Zig:15   | Noticed a dread lich
216125 | Zig:15   | Noticed an ancient lich
216127 | Zig:15   | Killed a dread lich
216128 | Zig:15   | Noticed a dread lich
216129 | Zig:15   | Noticed a dread lich
216135 | Zig:15   | Killed a dread lich
216135 | Zig:15   | Killed a dread lich
216135 | Zig:15   | Killed an ancient lich
216135 | Zig:15   | Killed a dread lich
216135 | Zig:15   | Killed a dread lich
216142 | Zig:15   | Killed a dread lich
216152 | Zig:15   | Killed from afar by an ancient champion (52 damage)
                  | ... with an iron shot
216157 | Zig:15   | Noticed a dread lich
216170 | Zig:15   | Killed a dread lich
216356 | Zig:15   | Identified the staff of air "Gibuhudor" {rElec rCorr Int+7}
216358 | Zig:15   | Identified the amulet "Xyukeneq" {Fragile rPois Will+
                  | Regen+ Int+4}
216363 | Zig:15   | Identified the +6 arbalest "Ambrosia's Foe" {antimagic,
                  | Str+2}
216367 | Zig:15   | Identified the +2 trident of Might {freeze, *Noise rPois
                  | rN++ Int+3}
216370 | Zig:15   | Identified the staff of cold "Sytiaz" {rC+ Dex+2}
216373 | Zig:15   | Identified the +10 sling of Benevolence {freeze, *Slow
                  | Int+5}
216376 | Zig:15   | Identified the staff of earth "Loulei" {Str+4 Int-2 Dex+4}
216377 | Zig:15   | Identified the +10 shortbow "Acvem" {elec, Str+2 Int+5}
216378 | Zig:15   | Identified the +2 long sword of the Saviour {freeze, Will+
                  | Str+3}
216380 | Zig:15   | Identified the +9 glaive of Hepliaklqana's Pride {vamp, rC+
                  | Dex+4}
216391 | Zig:15   | Identified the +4 great mace "Ituvysma" {heavy, rElec
                  | Int+4}
216404 | Zig:16   | Entered Level 16 of a ziggurat
216436 | Zig:16   | HP: 8/199 [deep elf high priest/divine providence (15)]
216438 | Zig:16   | Killed by divine providence
                  | ... invoked by a deep elf high priest
                  | (10 damage)
216576 | Zig:16   | Identified the +0 pair of boots "Heej Waoq" {Dex+3}
216585 | Zig:16   | Identified the staff of death "Ahonis" {Drain rPois rN+
                  | rCorr Stlth+}
216587 | Zig:16   | Identified the +4 battleaxe "Opuopekk" {heavy, rC+ Str+3
                  | Dex+3}
216591 | Zig:16   | Identified the +8 spear "Zupnyoc" {venom, *Noise Int+7}
216595 | Zig:16   | Identified the ring "Eheipnem" {Wiz Int+2 Dex+4}
216619 | Zig:17   | Entered Level 17 of a ziggurat
216620 | Zig:17   | Noticed an ancient lich
216621 | Zig:17   | Noticed an ancient lich
216621 | Zig:17   | Noticed a dread lich
216621 | Zig:17   | Noticed an ancient lich
216622 | Zig:17   | Noticed an ancient lich
216622 | Zig:17   | Noticed a dread lich
216622 | Zig:17   | Noticed an ancient lich
216622 | Zig:17   | Noticed an ancient lich
216622 | Zig:17   | Noticed a dread lich
216622 | Zig:17   | Noticed an ancient lich
216622 | Zig:17   | Noticed an ancient lich
216622 | Zig:17   | Noticed an ancient lich
216622 | Zig:17   | Noticed a dread lich
216622 | Zig:17   | Noticed a dread lich
216622 | Zig:17   | Noticed a dread lich
216622 | Zig:17   | Noticed a dread lich
216622 | Zig:17   | Noticed an ancient lich
216623 | Zig:17   | Noticed a dread lich
216624 | Zig:17   | Killed a dread lich
216625 | Zig:17   | Noticed a dread lich
216626 | Zig:17   | Killed an ancient lich
216626 | Zig:17   | Killed an ancient lich
216626 | Zig:17   | Killed an ancient lich
216626 | Zig:17   | Killed a dread lich
216626 | Zig:17   | Killed an ancient lich
216626 | Zig:17   | Killed a dread lich
216626 | Zig:17   | Killed an ancient lich
216627 | Zig:17   | Killed an ancient lich
216627 | Zig:17   | Killed a dread lich
216627 | Zig:17   | Killed an ancient lich
216627 | Zig:17   | Killed a dread lich
216628 | Zig:17   | Killed an ancient lich
216628 | Zig:17   | Killed an ancient lich
216629 | Zig:17   | Killed a dread lich
216629 | Zig:17   | Killed a dread lich
216629 | Zig:17   | Killed a dread lich
216629 | Zig:17   | Killed a dread lich
216629 | Zig:17   | Noticed an ancient lich
216631 | Zig:17   | Noticed an ancient lich
216631 | Zig:17   | Killed an ancient lich
216632 | Zig:17   | Noticed a dread lich
216632 | Zig:17   | Found the +2 hood of the Assassin {Detect Stab+ Stlth++}
216633 | Zig:17   | Noticed a dread lich
216633 | Zig:17   | Noticed a dread lich
216635 | Zig:17   | Noticed an ancient lich
216637 | Zig:17   | Killed an ancient lich
216638 | Zig:17   | Noticed an ancient lich
216641 | Zig:17   | Killed from afar by an ancient lich (37 damage)
                  | ... with a crystal spear
216644 | Zig:17   | Killed an ancient lich
216645 | Zig:17   | Killed a dread lich
216645 | Zig:17   | Noticed an ancient lich
216653 | Zig:17   | Killed an ancient lich
216654 | Zig:17   | Killed a dread lich
216654 | Zig:17   | Killed an ancient lich
216658 | Zig:17   | Killed a dread lich
216985 | Zig:17   | Identified the +7 mace of Decaying Tender Mercy {flame, rF+
                  | rN+}
216992 | Zig:17   | Identified the +6 morningstar "Mufi" {freeze, Contam Will+
                  | Int+5}
216993 | Zig:17   | Identified the +0 cloak "Kolacimo" {rC- Will++ MP+9 Int+8}
216994 | Zig:17   | Identified the +3 falchion of the Two Names {flame, rF+}
217017 | Zig:18   | Entered Level 18 of a ziggurat
217048 | Zig:18   | HP: 4/199 [rockslime (19)]
217052 | Zig:18   | HP: 1/199 [acid blob/splash of acid (3)]
217052 | Zig:18   | Demolished by a rockslime (15 damage)
217216 | Zig:18   | Identified the +3 mace of Excruciating Pain {heavy, rC++
                  | rCorr MP+9 SInv}
217220 | Zig:18   | Identified the +0 chain mail of Birdsong {rF+ Regen+}
217221 | Zig:18   | Identified the staff of death "Ceywn" {rElec rN+ Str-3
                  | Int-5 SInv}
217239 | Zig:18   | Identified the staff of cold "Hakicill" {rElec rC+ Str+3
                  | Int+7}
217242 | Zig:18   | Identified the amulet "Neurutis" {Faith +Blink}
217247 | Zig:18   | Identified the amulet of Dyn Huqe {rElec Regen+ Dex+2}
217257 | Zig:19   | Entered Level 19 of a ziggurat
217443 | Zig:19   | Identified the +5 short sword of Quphuc {holy, *Rage rCorr
                  | Int+5}
217463 | Zig:19   | Identified the +9 flail of the Known World {flame, Contam
                  | Str+7}
217469 | Zig:19   | Identified the staff of death "Xiufyll" {rElec rN+ Dex+3}
217484 | Zig:19   | Identified the +6 hand axe "Senwuedd" {freeze, Fly rElec
                  | Str+2}
217517 | Zig:20   | Entered Level 20 of a ziggurat
217517 | Zig:20   | Noticed a juggernaut
217517 | Zig:20   | Noticed a juggernaut
217517 | Zig:20   | Noticed a juggernaut
217521 | Zig:20   | Noticed a juggernaut
217523 | Zig:20   | Noticed a juggernaut
217523 | Zig:20   | Noticed a juggernaut
217525 | Zig:20   | Noticed a juggernaut
217526 | Zig:20   | Killed a juggernaut
217526 | Zig:20   | Killed a juggernaut
217526 | Zig:20   | Killed a juggernaut
217526 | Zig:20   | Noticed a juggernaut
217529 | Zig:20   | Noticed a juggernaut
217529 | Zig:20   | Noticed a juggernaut
217533 | Zig:20   | Noticed a juggernaut
217535 | Zig:20   | Killed a juggernaut
217535 | Zig:20   | Killed a juggernaut
217536 | Zig:20   | Noticed a juggernaut
217536 | Zig:20   | Killed a juggernaut
217541 | Zig:20   | Killed a juggernaut
217542 | Zig:20   | Killed a juggernaut
217543 | Zig:20   | Killed a juggernaut
217545 | Zig:20   | Noticed a juggernaut
217549 | Zig:20   | Killed a juggernaut
217556 | Zig:20   | Killed a juggernaut
217565 | Zig:20   | Killed a juggernaut
217566 | Zig:20   | Killed a juggernaut
217984 | Zig:20   | Upgraded the game from 0.30-a0-1160-g6e42c06551 to
                  | 0.30-a0-1161-g0704695555
217995 | Zig:20   | Identified the amulet "Woalil" {Acrobat rPois Regen+ Int+4}
217997 | Zig:20   | Identified the staff of cold "Yceiher" {rC+ Dex+3}
217999 | Zig:20   | Identified the +0 battleaxe "Huigil" {freeze, +Blink}
218002 | Zig:20   | Identified the +10 shortbow of Wrath {heavy, Fly Will+
                  | Dex+4}
218006 | Zig:20   | Identified the ring "Nyjuipsy" {Fly Int+7}
218008 | Zig:20   | Identified the staff of air "Huwonyz" {rElec Dex+3}
218011 | Zig:20   | Identified the staff of poison "Badoecka" {rPois Will+
                  | rCorr Str+6 Dex-5}
218012 | Zig:20   | Identified the +6 shortbow "Cocoiplo" {speed, rF+ rCorr}
218013 | Zig:20   | Identified the +8 shortbow of the Living Dead {freeze,
                  | rPois rF+}
218019 | Zig:20   | Identified the ring "Extise" {Wiz rPois Will+ MP+9 Dex+5}
218021 | Zig:20   | Identified the +8 whip "Giddofi" {flame, *Corrode Str+2
                  | Stlth+}
218027 | Zig:20   | Identified the +1 battleaxe "Grum" {pain, rCorr}
218028 | Zig:20   | Identified the -2 tower shield of Nybrarro {rF+ rN+ Int+3}
218035 | Zig:20   | Identified the +0 ring mail of Wimuskan {rC- rN+ Int+3}
218037 | Zig:20   | Identified the +8 morningstar "Tiharado" {pain, rElec
                  | Will+}
218064 | Zig:21   | Entered Level 21 of a ziggurat
218093 | Zig:21   | HP: 2/199 [deep elf high priest/divine providence (9)]
218098 | Zig:21   | Killed by divine providence
                  | ... invoked by a smoke demon
                  | ... summoned by a deep elf demonologist
                  | (12 damage)
218103 | Zig:21   | Paralysed by an air elemental for 1 turns
218467 | Zig:21   | Identified the +2 rapier "Mudusitu" {heavy, Int+2}
218470 | Zig:21   | Identified the +4 spear of False Hope {heavy, Int+3 SInv}
218475 | Zig:21   | Identified the ring "Elodesch" {rPois rN+ Int+6}
218480 | Zig:21   | Identified the +9 mace of Rinutyip {heavy, rC- rN+++
                  | Will+++ Str-5}
218485 | Zig:21   | Identified the ring of the Okapi {*Slow Str+7 Int+3 Dex+6
                  | Slay-2}
218549 | Zig:22   | Entered Level 22 of a ziggurat
218573 | Zig:22   | HP: 7/199 [acid blob/splash of acid (11)]
218574 | Zig:22   | HP: 2/199 [acid blob/splash of acid (5)]
218574 | Zig:22   | Killed from afar by an acid blob (14 damage)
                  | ... with a splash of acid
218594 | Zig:22   | Found the +3 Mad Mage's Maulers {Infuse+∞ VampMP -Cast}
218604 | Zig:22   | Identified the +5 rapier "Faylasch" {heavy, *Corrode Will+
                  | Int+2}
218907 | Zig:22   | Identified the +8 great sword of the Sea {heavy, rElec rC++
                  | rN+ Str-3}
218910 | Zig:22   | Identified the staff of poison "Taust" {Drain rPois rF+++
                  | Will+ Dex+2}
218914 | Zig:22   | Identified the +5 whip "Iblumedi" {spect, rPois rCorr}
218916 | Zig:22   | Identified the +8 hand axe of Maexzuff {protect, rC+}
218925 | Zig:22   | Identified the staff of air "Rugeg" {rElec Str+4}
218935 | Zig:22   | Identified the +12 scimitar "Udoit" {distort, Fly rF+ rC+}
218936 | Zig:22   | Identified the ring "Zatong" {Drain rPois Will+ Str+6
                  | Slay-6 Stlth+}
218938 | Zig:22   | Identified the staff of death "Vaqih" {rN+ Stlth+}
218941 | Zig:22   | Identified the +5 sling "Ydiho" {freeze, rC+ Dex+3}
218947 | Zig:22   | Identified the +5 spear of Misery {elec, rElec rF+}
218952 | Zig:22   | Identified the +11 quarterstaff "Killer Bee's Peril"
                  | {flame, Dex+2}
218963 | Zig:22   | Identified the +5 dire flail of the Dancing Gods {heavy,
                  | rN+ Will+ Int+2}
218967 | Zig:22   | Identified the +8 spear "Zuadam" {flame, *Rage rElec Str-5
                  | Stlth+}
218970 | Zig:22   | Identified the ring "Orhisk" {rPois rF- Str+6 Int+6}
218976 | Zig:23   | Entered Level 23 of a ziggurat
218978 | Zig:23   | Noticed an ancient lich
218978 | Zig:23   | Noticed an ancient lich
218978 | Zig:23   | Noticed an ancient lich
218979 | Zig:23   | Noticed a dread lich
218979 | Zig:23   | Noticed a dread lich
218979 | Zig:23   | Noticed an ancient lich
218980 | Zig:23   | Noticed an ancient lich
218980 | Zig:23   | Noticed an ancient lich
218980 | Zig:23   | Noticed a dread lich
218980 | Zig:23   | Noticed a dread lich
218980 | Zig:23   | Noticed an ancient lich
218980 | Zig:23   | Noticed a dread lich
218980 | Zig:23   | Noticed a dread lich
218980 | Zig:23   | Noticed a dread lich
218980 | Zig:23   | Noticed a dread lich
218980 | Zig:23   | Noticed an ancient lich
218980 | Zig:23   | Noticed an ancient lich
218980 | Zig:23   | Noticed an ancient lich
218981 | Zig:23   | Killed a dread lich
218981 | Zig:23   | Killed a dread lich
218983 | Zig:23   | Killed an ancient lich
218983 | Zig:23   | Killed an ancient lich
218984 | Zig:23   | Noticed an ancient lich
218984 | Zig:23   | Noticed a dread lich
218984 | Zig:23   | Killed an ancient lich
218985 | Zig:23   | Killed an ancient lich
218986 | Zig:23   | Noticed a dread lich
218986 | Zig:23   | Noticed a dread lich
218986 | Zig:23   | Killed an ancient lich
218986 | Zig:23   | Killed an ancient lich
218986 | Zig:23   | Killed a dread lich
218986 | Zig:23   | Killed an ancient lich
218986 | Zig:23   | Killed a dread lich
218986 | Zig:23   | Killed a dread lich
218986 | Zig:23   | Killed an ancient lich
218987 | Zig:23   | Noticed an ancient lich
218988 | Zig:23   | Killed an ancient lich
218989 | Zig:23   | Noticed an ancient lich
218989 | Zig:23   | Noticed a dread lich
218989 | Zig:23   | Noticed an ancient lich
218990 | Zig:23   | Noticed an ancient lich
218992 | Zig:23   | Noticed an ancient lich
218993 | Zig:23   | Noticed a dread lich
218995 | Zig:23   | Killed a dread lich
218995 | Zig:23   | Noticed an ancient lich
218996 | Zig:23   | Killed a dread lich
218997 | Zig:23   | Killed an ancient lich
218997 | Zig:23   | Killed an ancient lich
218998 | Zig:23   | Killed a dread lich
218998 | Zig:23   | Killed a dread lich
218998 | Zig:23   | Killed a dread lich
218998 | Zig:23   | Killed a dread lich
218998 | Zig:23   | Noticed a dread lich
218999 | Zig:23   | Killed an ancient lich
219002 | Zig:23   | Killed a dread lich
219002 | Zig:23   | Killed an ancient lich
219002 | Zig:23   | Killed an ancient lich
219005 | Zig:23   | Killed a dread lich
219005 | Zig:23   | Noticed a dread lich
219007 | Zig:23   | Killed from afar by an ancient lich (101 damage)
                  | ... with a crystal spear
219008 | Zig:23   | Killed an ancient lich
219009 | Zig:23   | Killed an ancient lich
219017 | Zig:23   | Killed a dread lich
219020 | Zig:23   | Killed a dread lich
219025 | Zig:23   | Killed an ancient lich
219188 | Zig:23   | Identified the staff of fire "Xibeudd" {rF+ Will+}
219193 | Zig:23   | Identified the +8 dagger "Tetsy" {pain, rC+ Str+4 SInv
                  | Stlth+}
219194 | Zig:23   | Identified the ring "Osaz" {rElec rCorr Str+4}
219203 | Zig:23   | Identified the +6 long sword "Beastbane" {elec, Will+
                  | Int+6}
219204 | Zig:23   | Identified the +6 bardiche of Liseecon {holy, +Blink}
219234 | Zig:23   | Identified the ring of Vanity {rF+++ Str+6 Slay-4 SInv}
219242 | Zig:23   | Identified the staff of death "Devagrant" {Fly rN+ Will+
                  | Int+2 Dex+5}
219246 | Zig:23   | Identified the staff of air "Aweniore" {rElec rPois rCorr
                  | Stlth+}
219247 | Zig:23   | Identified the +5 dagger "Xijeqidu" {heavy, *Rage rElec rN+
                  | Str+3}
219248 | Zig:23   | Identified the +0 quarterstaff of Tutokipt {speed, Str+3}
219286 | Zig:23   | Identified the ring "Nugior Rio" {rC+ rN+ Dex-2 Stlth+}
219300 | Zig:24   | Entered Level 24 of a ziggurat
219636 | Zig:24   | Identified the ring of Ojoef {rElec rC- Int+2 Dex+6}
219641 | Zig:24   | Identified the +1 long sword "Abafest" {pain, *Rage rN+
                  | MP+9 Dex+3}
219646 | Zig:24   | Identified the +0 scale mail "Tunlam" {rF+ rN+ Int+2}
219653 | Zig:24   | Identified the +1 falchion of Prudence {drain, rN+}
219654 | Zig:24   | Identified the staff of earth "Pomp" {Str+2}
219661 | Zig:24   | Identified the +6 scimitar of Greatest Utility {speed,
                  | rElec rC+++ Dex+3}
219662 | Zig:24   | Identified the +4 short sword of Affupt {freeze, *Slow
                  | rCorr Str+3}
219677 | Zig:24   | Identified the +4 dagger "Qehuugad" {freeze, Fragile rElec
                  | rN+ Str+6}
219678 | Zig:24   | Identified the +6 rapier of Hinn {elec, rF++ rC+ Str-3
                  | Int+2}
219679 | Zig:24   | Identified the +10 plate armour "Ticsaere" {rElec Will-
                  | rCorr Str+4}
219682 | Zig:24   | Identified the +10 trident "Ikkaacrio" {freeze, *Slow rPois
                  | Int+6}
219689 | Zig:24   | Identified the staff of earth "Pikyug Vinea" {MP+9 Str+4
                  | Stlth+}
219698 | Zig:24   | Identified the +4 great sword of Invincibility {heavy,
                  | Contam Str+4}
219720 | Zig:25   | Entered Level 25 of a ziggurat
219732 | Zig:25   | Killed from afar by a Hell Sentinel (27 damage)
                  | ... with damnation
219738 | Zig:25   | HP: 9/199 [Tzitzimitl (1)]
219739 | Zig:25   | Killed from afar by a Hell Sentinel (54 damage)
                  | ... with an iron shot
219742 | Zig:25   | Slain by a Hell Sentinel (11 damage)
219747 | Zig:25   | Slain by a Hell Sentinel (26 damage)
219751 | Zig:25   | Killed from afar by a Hell Sentinel (33 damage)
                  | ... with damnation
219761 | Zig:25   | HP: 4/199 [Ice Fiend/bolt of cold (42)]
219762 | Zig:25   | Killed from afar by a balrug (16 damage)
                  | ... with a bolt of fire
219773 | Zig:25   | Annihilated by a Hell Sentinel (40 damage)
219775 | Zig:25   | Noticed Lasm the pandemonium lord
219779 | Zig:25   | Killed from afar by a Hell Sentinel (35 damage)
                  | ... with an iron shot
219783 | Zig:25   | Killed from afar by a Hell Sentinel (21 damage)
                  | ... with damnation
219791 | Zig:25   | HP: 3/199 [spore (32)]
219791 | Zig:25   | Killed by divine providence
                  | ... invoked by a balrug
                  | (10 damage)
219792 | Zig:25   | Killed Lasm the pandemonium lord
219805 | Zig:25   | Killed from afar by a Hell Sentinel (23 damage)
                  | ... with damnation
219819 | Zig:25   | Killed from afar by a Hell Sentinel (46 damage)
                  | ... with damnation
219843 | Zig:25   | HP: 3/199 [reaper/+2 heavy scythe (14)]
219845 | Zig:25   | Mangled by a Brimstone Fiend (10 damage)
220085 | Zig:25   | Identified the +5 spear of Responsibility {pain, Str+3}
220087 | Zig:25   | Identified the +4 ring mail "Jyfa" {Dex+3}
220094 | Zig:25   | Identified the +3 steam dragon scales of Gytei {rCorr Str+3
                  | Dex+2 SInv}
220102 | Zig:25   | Identified the staff of conjuration "Wada" {Will+ Int+5}
220124 | Zig:26   | Entered Level 26 of a ziggurat
220166 | Zig:26   | Gained mutation: You sometimes lose your temper in combat.
                  | [a shining eye]
220175 | Zig:26   | HP: 5/199 [acid blob/splash of acid (8)]
220180 | Zig:26   | Paralysed by a floating eye for 3 turns
220181 | Zig:26   | HP: 6/199 [azure jelly (2)]
220181 | Zig:26   | Demolished by an azure jelly (23 damage)
                  | ... while paralysed by a floating eye
220451 | Zig:26   | Identified the staff of cold "Alaba" {rPois rC+ Will+
                  | Str+4}
220458 | Zig:26   | Identified the +9 dagger "Wahox" {drain, Str+3 SInv}
220463 | Zig:26   | Identified the staff of cold "Yrijum" {Fly rC+}
220464 | Zig:26   | Identified the +8 dagger "Rubyotta" {drain, rCorr Dex+3}
220471 | Zig:26   | Identified the +0 leather armour of Lesser Demons {+Inv
                  | rElec rC- rCorr}
220472 | Zig:26   | Identified the amulet of Beauty {RegenMP Harm Regen+ Dex-5}
220481 | Zig:26   | Identified the amulet "Zyklius" {Spirit rCorr}
220499 | Zig:26   | Acquired 588 gold pieces
220501 | Zig:26   | Acquired 918 gold pieces
220509 | Zig:26   | Identified the +1 leather armour of the Moon {Dex+2}
220513 | Zig:26   | Identified the +1 crystal plate armour "Laupho" {rElec
                  | Regen+ Str-3}
220530 | Zig:26   | Identified the staff of death "Zug Kiwn" {*Slow rElec rN+
                  | rCorr Str-4}
220541 | Zig:27   | Entered Level 27 of a ziggurat
220541 | Zig:27   | Noticed a juggernaut
220541 | Zig:27   | Noticed a juggernaut
220542 | Zig:27   | Noticed a juggernaut
220542 | Zig:27   | Noticed a juggernaut
220542 | Zig:27   | Noticed a juggernaut
220542 | Zig:27   | Noticed a juggernaut
220542 | Zig:27   | Noticed a juggernaut
220542 | Zig:27   | Noticed a juggernaut
220542 | Zig:27   | Noticed a juggernaut
220542 | Zig:27   | Noticed a juggernaut
220542 | Zig:27   | Noticed a juggernaut
220542 | Zig:27   | Noticed a juggernaut
220542 | Zig:27   | Noticed a juggernaut
220543 | Zig:27   | Noticed a juggernaut
220546 | Zig:27   | Noticed a juggernaut
220546 | Zig:27   | Killed a juggernaut
220547 | Zig:27   | Noticed a juggernaut
220547 | Zig:27   | Noticed a juggernaut
220547 | Zig:27   | Killed a juggernaut
220547 | Zig:27   | Killed a juggernaut
220547 | Zig:27   | Noticed a juggernaut
220547 | Zig:27   | Noticed a juggernaut
220547 | Zig:27   | Noticed a juggernaut
220547 | Zig:27   | Noticed a juggernaut
220548 | Zig:27   | Killed a juggernaut
220548 | Zig:27   | Killed a juggernaut
220548 | Zig:27   | Killed a juggernaut
220548 | Zig:27   | Killed a juggernaut
220549 | Zig:27   | Noticed a juggernaut
220549 | Zig:27   | Killed a juggernaut
220549 | Zig:27   | Noticed a juggernaut
220549 | Zig:27   | Noticed a juggernaut
220551 | Zig:27   | Noticed a juggernaut
220551 | Zig:27   | Noticed a juggernaut
220551 | Zig:27   | Noticed a juggernaut
220551 | Zig:27   | Killed a juggernaut
220552 | Zig:27   | Killed a juggernaut
220552 | Zig:27   | Noticed a juggernaut
220553 | Zig:27   | Killed a juggernaut
220553 | Zig:27   | Killed a juggernaut
220553 | Zig:27   | Killed a juggernaut
220555 | Zig:27   | Killed a juggernaut
220557 | Zig:27   | Killed a juggernaut
220559 | Zig:27   | Killed a juggernaut
220559 | Zig:27   | Killed a juggernaut
220560 | Zig:27   | Killed a juggernaut
220560 | Zig:27   | Killed a juggernaut
220560 | Zig:27   | Noticed a juggernaut
220561 | Zig:27   | Killed from afar by an iron giant (42 damage)
                  | ... with an iron shot
220562 | Zig:27   | Noticed a juggernaut
220562 | Zig:27   | Killed a juggernaut
220563 | Zig:27   | Killed a juggernaut
220564 | Zig:27   | Noticed a juggernaut
220564 | Zig:27   | Killed a juggernaut
220565 | Zig:27   | Killed a juggernaut
220565 | Zig:27   | Killed a juggernaut
220566 | Zig:27   | Killed a juggernaut
220566 | Zig:27   | Killed a juggernaut
220567 | Zig:27   | Killed a juggernaut
220568 | Zig:27   | Killed a juggernaut
220569 | Zig:27   | Noticed a juggernaut
220570 | Zig:27   | Noticed a juggernaut
220570 | Zig:27   | Noticed a juggernaut
220570 | Zig:27   | Killed a juggernaut
220570 | Zig:27   | Noticed a juggernaut
220570 | Zig:27   | Noticed a juggernaut
220571 | Zig:27   | Killed a juggernaut
220571 | Zig:27   | Noticed a juggernaut
220571 | Zig:27   | Noticed a juggernaut
220573 | Zig:27   | Killed a juggernaut
220575 | Zig:27   | Noticed a juggernaut
220577 | Zig:27   | Killed a juggernaut
220578 | Zig:27   | Killed a juggernaut
220579 | Zig:27   | Noticed a juggernaut
220579 | Zig:27   | Killed a juggernaut
220580 | Zig:27   | Killed a juggernaut
220581 | Zig:27   | Killed a juggernaut
220585 | Zig:27   | Killed a juggernaut
220593 | Zig:27   | Killed a juggernaut
220596 | Zig:27   | Killed a juggernaut
220599 | Zig:27   | Noticed a juggernaut
220599 | Zig:27   | HP: 8/199 [iron giant/iron giant (12)]
220601 | Zig:27   | Hit by a stone giant thrown by iron giant (22 damage)
220602 | Zig:27   | Killed a juggernaut
220620 | Zig:27   | Killed a juggernaut
220697 | Zig:27   | Found the +4 robe of Folly {Brill Will-∞ Int+8}
220717 | Zig:27   | Found the +3 salamander hide armour {Flames, rFlCloud rF++
                  | rC--}
220718 | Zig:27   | Found the +0 pair of fencer's gloves {Riposte Dex+3}
220784 | Zig:27   | Identified the ring "Istinnok" {rPois rC- rN+ Str+9 Int-5}
220808 | Zig:27   | Identified the ring of the Mordant God {rN+ Str+3}
220814 | Zig:27   | Identified the amulet "Lurishrech" {Acrobat rC- rN+ Int+3}
220815 | Zig:27   | Identified the +5 long sword of the Endless Lives {heavy,
                  | *Corrode rElec Will++ Stlth+}
220818 | Zig:27   | Identified the staff of fire "Ruiwkef" {rF+ Str+6 Stlth+}
220819 | Zig:27   | Identified the staff of earth "Falu Gef" {rElec}
220826 | Zig:27   | Identified the +4 short sword of Neaqeth {freeze, rF+ rN+}
220832 | Zig:27   | Identified the +1 leather armour "Nekhab" {Harm Str-3 Dex+2
                  | SInv}
220930 | Zig:1    | Entered Level 1 of a ziggurat
220930 | Zig:1    | Noticed an ancient lich
220930 | Zig:1    | Noticed an ancient lich
220942 | Zig:1    | Killed an ancient lich
220944 | Zig:1    | Killed an ancient lich
220955 | Zig:2    | Entered Level 2 of a ziggurat
220955 | Zig:2    | Noticed a dread lich
220972 | Zig:2    | Killed a dread lich
221122 | Zig:3    | Entered Level 3 of a ziggurat
221122 | Zig:3    | Noticed an orb of fire
221122 | Zig:3    | Noticed an orb of fire
221122 | Zig:3    | Noticed an orb of fire
221122 | Zig:3    | Noticed an orb of fire
221122 | Zig:3    | Noticed an orb of fire
221122 | Zig:3    | Noticed an orb of fire
221122 | Zig:3    | Noticed an orb of fire
221125 | Zig:3    | HP: 1/199 [fire giant/bolt of fire (46)]
221126 | Zig:3    | Killed from afar by an orb of fire (68 damage)
                  | ... with a bolt of fire
221128 | Zig:3    | Killed an orb of fire
221129 | Zig:3    | Killed an orb of fire
221131 | Zig:3    | Killed an orb of fire
221134 | Zig:3    | Killed an orb of fire
221136 | Zig:3    | Killed an orb of fire
221138 | Zig:3    | Killed an orb of fire
221140 | Zig:3    | Killed an orb of fire
221188 | Zig:4    | Entered Level 4 of a ziggurat
221188 | Zig:4    | Noticed an ancient lich
221188 | Zig:4    | Noticed an ancient lich
221188 | Zig:4    | Noticed a dread lich
221189 | Zig:4    | Noticed a dread lich
221190 | Zig:4    | Noticed an ancient lich
221190 | Zig:4    | Noticed an ancient lich
221191 | Zig:4    | Killed a dread lich
221192 | Zig:4    | Noticed a dread lich
221193 | Zig:4    | Noticed an ancient lich
221193 | Zig:4    | Killed a dread lich
221194 | Zig:4    | Killed an ancient lich
221195 | Zig:4    | Killed an ancient lich
221201 | Zig:4    | Killed an ancient lich
221207 | Zig:4    | Killed an ancient lich
221208 | Zig:4    | Killed an ancient lich
221210 | Zig:4    | Killed a dread lich
221540 | Zig:5    | Entered Level 5 of a ziggurat
221690 | Zig:5    | Identified the +1 morningstar "Uzesufukk" {vamp, Str+4}
221726 | Zig:6    | Entered Level 6 of a ziggurat
221842 | Zig:6    | Identified the amulet "Huyghoddu" {Faith Fly}
221846 | Zig:6    | Identified the +3 scale mail of the Fife {Harm}
221862 | Zig:7    | Entered Level 7 of a ziggurat
222007 | Zig:7    | Found the +0 mask of the Dragon {Will+ Slay+3 SInv}
222050 | Zig:8    | Entered Level 8 of a ziggurat
222065 | Zig:8    | Paralysed by accursed screaming for 2 turns
222070 | Zig:8    | Paralysed by accursed screaming for 2 turns
222092 | Zig:8    | Killed from afar by a starcursed mass (70 damage)
                  | ... with an accursed screaming
222097 | Zig:8    | Paralysed by accursed screaming for 2 turns
222100 | Zig:8    | Collided with a starcursed mass (21 damage)
                  | ... caused by a wretched star
222103 | Zig:8    | Paralysed by accursed screaming for 2 turns
222107 | Zig:8    | Killed from afar by a starcursed mass (62 damage)
                  | ... with an accursed screaming
222107 | Zig:8    | Paralysed by accursed screaming for 2 turns
222111 | Zig:8    | Paralysed by accursed screaming for 2 turns
222112 | Zig:8    | Killed from afar by a starcursed mass (66 damage)
                  | ... with an accursed screaming
                  | ... while paralysed by accursed screaming
222117 | Zig:8    | Paralysed by accursed screaming for 2 turns
222119 | Zig:8    | Killed from afar by a starcursed mass (61 damage)
                  | ... with an accursed screaming
                  | ... while paralysed by accursed screaming
222123 | Zig:8    | Paralysed by accursed screaming for 2 turns
222128 | Zig:8    | Killed from afar by a starcursed mass (56 damage)
                  | ... with an accursed screaming
222128 | Zig:8    | Paralysed by accursed screaming for 2 turns
222140 | Zig:8    | Killed from afar by a starcursed mass (58 damage)
                  | ... with an accursed screaming
222140 | Zig:8    | Paralysed by accursed screaming for 2 turns
222147 | Zig:8    | Killed from afar by a starcursed mass (61 damage)
                  | ... with an accursed screaming
222147 | Zig:8    | Paralysed by accursed screaming for 2 turns
222159 | Zig:8    | Paralysed by accursed screaming for 2 turns
222167 | Zig:8    | HP: 3/139 [balrug/divine providence (11)]
222169 | Zig:8    | Killed from afar by a starcursed mass (8 damage)
                  | ... with an accursed screaming
222169 | Zig:8    | Paralysed by accursed screaming for 2 turns
222180 | Zig:8    | Paralysed by accursed screaming for 2 turns
222182 | Zig:8    | HP: 5/139 [wretched star/lance of force (25)]
222182 | Zig:8    | Killed from afar by a starcursed mass (55 damage)
                  | ... with an accursed screaming
                  | ... while paralysed by accursed screaming
222188 | Zig:8    | Paralysed by accursed screaming for 2 turns
222198 | Zig:8    | Killed from afar by a starcursed mass (79 damage)
                  | ... with an accursed screaming
222198 | Zig:8    | Paralysed by accursed screaming for 2 turns
222209 | Zig:8    | Killed from afar by a starcursed mass (31 damage)
                  | ... with an accursed screaming
222211 | Zig:8    | Paralysed by accursed screaming for 2 turns
222214 | Zig:8    | Killed from afar by a starcursed mass (65 damage)
                  | ... with an accursed screaming
222216 | Zig:8    | Paralysed by accursed screaming for 2 turns
222219 | Zig:8    | HP: 4/139 [starcursed mass/accursed screaming (24)]
222225 | Zig:8    | Killed from afar by a starcursed mass (12 damage)
                  | ... with an accursed screaming
222227 | Zig:8    | Paralysed by accursed screaming for 2 turns
222230 | Zig:8    | Killed from afar by a starcursed mass (72 damage)
                  | ... with an accursed screaming
222233 | Zig:8    | Lost intelligence.
222236 | Zig:8    | HP: 5/199 [ancient zyme (5)]
222236 | Zig:8    | HP: 2/199 [ancient zyme (3)]
222236 | Zig:8    | Killed from afar by a wretched star (29 damage)
                  | ... with a lance of force
222242 | Zig:8    | Paralysed by accursed screaming for 2 turns
222244 | Zig:8    | Killed from afar by a starcursed mass (50 damage)
                  | ... with an accursed screaming
222246 | Zig:8    | Paralysed by accursed screaming for 2 turns
222251 | Zig:8    | Killed from afar by a starcursed mass (47 damage)
                  | ... with an accursed screaming
222257 | Zig:8    | Paralysed by accursed screaming for 2 turns
222259 | Zig:8    | Killed from afar by a starcursed mass (22 damage)
                  | ... with an accursed screaming
222266 | Zig:8    | Paralysed by accursed screaming for 2 turns
222267 | Zig:8    | Killed from afar by a starcursed mass (44 damage)
                  | ... with an accursed screaming
                  | ... while paralysed by accursed screaming
222270 | Zig:8    | HP: 2/139 [starcursed mass/accursed screaming (57)]
222271 | Zig:8    | Killed from afar by a starcursed mass (58 damage)
                  | ... with an accursed screaming
222274 | Zig:8    | Paralysed by accursed screaming for 2 turns
222278 | Zig:8    | Killed by divine providence
                  | ... invoked by a balrug
                  | (9 damage)
222279 | Zig:8    | Paralysed by accursed screaming for 2 turns
222284 | Zig:8    | Paralysed by accursed screaming for 2 turns
222287 | Zig:8    | Killed from afar by a starcursed mass (27 damage)
                  | ... with an accursed screaming
222292 | Zig:8    | Paralysed by accursed screaming for 2 turns
222300 | Zig:8    | HP: 4/159 [wretched star/lance of force (10)]
222301 | Zig:8    | HP: 1/139 [demonspawn corrupter/+0 glaive (4)]
222301 | Zig:8    | Killed from afar by a starcursed mass (37 damage)
                  | ... with an accursed screaming
222301 | Zig:8    | Paralysed by accursed screaming for 2 turns
222307 | Zig:8    | Paralysed by accursed screaming for 2 turns
222313 | Zig:8    | Paralysed by accursed screaming for 2 turns
222315 | Zig:8    | Killed from afar by a wretched star (13 damage)
                  | ... with a lance of force
222319 | Zig:8    | Paralysed by accursed screaming for 2 turns
222320 | Zig:8    | Killed from afar by a wretched star (26 damage)
                  | ... with a lance of force
                  | ... while paralysed by accursed screaming
222323 | Zig:8    | Paralysed by accursed screaming for 2 turns
222339 | Zig:8    | HP: 4/139 [starcursed mass/accursed screaming (9)]
222341 | Zig:8    | Killed from afar by a wretched star (19 damage)
                  | ... with a lance of force
222425 | Zig:8    | Identified the +2 shortbow "Thing" {freeze, rElec Str-5
                  | Int+3}
222439 | Zig:8    | Identified the ring "Piduutulai" {rPois Will+ Int+4}
222446 | Zig:8    | Identified the +0 leather armour "Zeubul" {+Inv rElec}
222473 | Zig:9    | Entered Level 9 of a ziggurat
222475 | Zig:9    | Killed from afar by a salamander tyrant (44 damage)
                  | ... with a flame surge
222802 | Zig:9    | Identified the +2 rapier "Dennost" {freeze, Int+2 Stlth+}
222830 | Zig:10   | Entered Level 10 of a ziggurat
222844 | Zig:10   | Gained mutation: You are frail. (-10% HP) [a shining eye]
222888 | Zig:10   | Lost mutation: Armour fits poorly on your strangely shaped
                  | body. [potion of mutation]
222888 | Zig:10   | Lost mutation: You are somewhat resistant to further
                  | mutation. [potion of mutation]
222888 | Zig:10   | Lost mutation: You are agile. (Dex +4, Str/Int -1) [potion
                  | of mutation]
222888 | Zig:10   | Lost mutation: You are frail. (-10% HP) [potion of
                  | mutation]
222888 | Zig:10   | Gained mutation: Your flesh is heat resistant. (rF+)
                  | [potion of mutation]
222888 | Zig:10   | Gained mutation: You are partially covered in iridescent
                  | scales. (AC +2) [potion of mutation]
223215 | Zig:10   | Identified the orb of Winter {light, rElec rN+}
223224 | Zig:10   | Identified the +3 ice dragon scales of Submission {Harm rF-
                  | rC++ rN+ Slay+2}
223232 | Zig:10   | Identified the staff of poison "Kuruehy" {rPois Str+2
                  | Dex+2}
223294 | Zig:11   | Entered Level 11 of a ziggurat
223439 | Zig:11   | Identified the +3 war axe of the Purse {heavy, rN+}
223454 | Zig:12   | Entered Level 12 of a ziggurat
223791 | Zig:12   | Identified the +0 shortbow "Jify" {drain, rElec Int+3}
223799 | Zig:12   | Identified the staff of cold "Zoadut" {rC+ Dex+4}
223808 | Zig:12   | Identified the +6 sling of the Building Gods {speed, SInv}
223809 | Zig:12   | Identified the amulet "Sotodeuk" {RegenMP rElec rPois
                  | Slay+4}
223813 | Zig:12   | Identified the +3 plate armour of Calculation {rPois}
223820 | Zig:12   | Identified the +4 short sword of the Hills {holy, rPois
                  | Dex+3}
223822 | Zig:12   | Identified the +7 rapier of Hoelaj {holy, Drain Str+5}
223835 | Zig:13   | Entered Level 13 of a ziggurat
224244 | Zig:13   | Identified the +8 spear of Terror {heavy, Str+2}
224246 | Zig:13   | Identified the staff of earth "Guocun" {Str+4 Dex-2}
224247 | Zig:13   | Identified the +6 long sword of Beogh, Lusting {heavy,
                  | +Blink rF- Dex+5}
224249 | Zig:13   | Identified the staff of earth "Omutiris" {rElec rC- rCorr
                  | Int+2}
224259 | Zig:13   | Identified the +10 scimitar of Wounding {venom, Dex+3}
224260 | Zig:13   | Identified the +8 chain mail "Doum" {Rampage rC+ rCorr}
224268 | Zig:13   | Identified the +6 chain mail of the Orcish Mines {Int+4}
224277 | Zig:14   | Entered Level 14 of a ziggurat
224914 | Zig:14   | Identified the ring of Xin Ygok {Fly rElec rPois rCorr}
224931 | Zig:14   | Identified the ring "Saillyul" {Ice +Blink rPois Str-3
                  | Dex+3}
224942 | Zig:15   | Entered Level 15 of a ziggurat
225060 | Zig:15   | Identified the +0 hat of Wu Jian's Grace {Will+ Int+2}
225364 | Zig:15   | Identified the +3 hand axe "Junupap" {pain, rF- rC+ Will+
                  | Stlth+}
225367 | Zig:15   | Identified the +5 scale mail "Ocutuuse" {rN+ Will+ Dex-4}
225378 | Zig:15   | Identified the ring of the Mashing Gods {Contam rN+ rCorr
                  | Str+4}
225388 | Zig:16   | Entered Level 16 of a ziggurat
225730 | Zig:16   | Identified the +3 leather armour of Majivoar {rElec rF+ rC-
                  | Str+5}
225731 | Zig:16   | Identified the staff of fire "Icsa" {rF+ rC+ Dex+2}
225734 | Zig:16   | Identified the staff of conjuration "Coreufra" {Contam
                  | rElec Int+2 Stlth+}
225736 | Zig:16   | Identified the +5 battleaxe of Gicriluiho {holy, rElec}
225738 | Zig:16   | Identified the +6 mace "Grom" {heavy, Drain rElec Int+7}
225739 | Zig:16   | Identified the staff of cold "Mawkelol" {rC+ Int+4}
225740 | Zig:16   | Identified the +8 war axe of Instant Death {antimagic,
                  | Str+4 Stlth+}
225750 | Zig:16   | Identified the staff of earth "Vanawy Gaud" {Drain Will+
                  | Str+3 SInv}
225764 | Zig:17   | Entered Level 17 of a ziggurat
225791 | Zig:17   | Killed from afar by a Hell Sentinel (31 damage)
                  | ... with an iron shot
225839 | Zig:17   | Slain by an iron golem (27 damage)
225860 | Zig:17   | HP: 7/199 [iron golem (23)]
225866 | Zig:17   | Demolished by an iron golem (27 damage)
226106 | Zig:17   | Identified the +4 shortbow of the Viper {drain, Str+4}
226118 | Zig:17   | Identified the +1 leather armour "Moakh" {rC+ rCorr}
226120 | Zig:17   | Identified the staff of cold "Jaobur" {rC+ Int+5 SInv}
226124 | Zig:18   | Entered Level 18 of a ziggurat
226137 | Zig:18   | Noticed a dread lich
226138 | Zig:18   | Noticed an ancient lich
226138 | Zig:18   | Noticed an ancient lich
226138 | Zig:18   | Noticed a dread lich
226138 | Zig:18   | Noticed an ancient lich
226138 | Zig:18   | Noticed an ancient lich
226138 | Zig:18   | Noticed an ancient lich
226138 | Zig:18   | Noticed an ancient lich
226138 | Zig:18   | Noticed an ancient lich
226138 | Zig:18   | Noticed an ancient lich
226138 | Zig:18   | Noticed a dread lich
226138 | Zig:18   | Noticed an ancient lich
226138 | Zig:18   | Noticed a dread lich
226138 | Zig:18   | Noticed an ancient lich
226138 | Zig:18   | Noticed an ancient lich
226138 | Zig:18   | Noticed an ancient lich
226138 | Zig:18   | Noticed a dread lich
226138 | Zig:18   | Noticed an ancient lich
226138 | Zig:18   | Noticed a dread lich
226138 | Zig:18   | Noticed an ancient lich
226138 | Zig:18   | Noticed an ancient lich
226138 | Zig:18   | Noticed a dread lich
226138 | Zig:18   | Noticed an ancient lich
226139 | Zig:18   | Noticed an ancient lich
226139 | Zig:18   | Killed a dread lich
226139 | Zig:18   | Killed an ancient lich
226139 | Zig:18   | Killed an ancient lich
226139 | Zig:18   | Killed an ancient lich
226139 | Zig:18   | Noticed an ancient lich
226140 | Zig:18   | Noticed an ancient lich
226140 | Zig:18   | Noticed a dread lich
226140 | Zig:18   | Noticed a dread lich
226141 | Zig:18   | Killed an ancient lich
226143 | Zig:18   | Killed an ancient lich
226144 | Zig:18   | Killed a dread lich
226144 | Zig:18   | Killed an ancient lich
226144 | Zig:18   | Killed an ancient lich
226144 | Zig:18   | Killed an ancient lich
226145 | Zig:18   | Killed an ancient lich
226145 | Zig:18   | Killed an ancient lich
226145 | Zig:18   | Killed a dread lich
226145 | Zig:18   | Killed an ancient lich
226145 | Zig:18   | Killed an ancient lich
226146 | Zig:18   | Noticed a dread lich
226146 | Zig:18   | Killed an ancient lich
226146 | Zig:18   | Killed an ancient lich
226146 | Zig:18   | Killed a dread lich
226146 | Zig:18   | Killed an ancient lich
226146 | Zig:18   | Killed a dread lich
226146 | Zig:18   | Noticed a dread lich
226148 | Zig:18   | Noticed an ancient lich
226149 | Zig:18   | Killed an ancient lich
226150 | Zig:18   | Killed a dread lich
226152 | Zig:18   | Killed an ancient lich
226153 | Zig:18   | Killed a dread lich
226154 | Zig:18   | Killed an ancient lich
226155 | Zig:18   | Killed a dread lich
226155 | Zig:18   | Killed a dread lich
226155 | Zig:18   | Killed from afar by an ice dragon (glowing shapeshifter)
                  | (30 damage)
                  | ... with a blast of cold
226156 | Zig:18   | Killed an ancient lich
226156 | Zig:18   | Killed an ancient lich
226158 | Zig:18   | Killed a dread lich
226158 | Zig:18   | Noticed a dread lich
226160 | Zig:18   | Killed a dread lich
226163 | Zig:18   | Noticed an ancient lich
226167 | Zig:18   | Noticed a dread lich
226172 | Zig:18   | Killed a dread lich
226173 | Zig:18   | Killed an ancient lich
226179 | Zig:18   | Killed a dread lich
226390 | Zig:18   | Identified the +4 arbalest of Hell's Wrath {freeze, rPois
                  | rCorr}
226393 | Zig:18   | Identified the staff of poison "Paikaz" {rPois Will+ Int-4
                  | SInv}
226433 | Zig:18   | Identified the +7 great sword "Vygebb" {flame, +Blink
                  | rCorr}
226452 | Zig:19   | Entered Level 19 of a ziggurat
226489 | Zig:19   | Killed from afar by a red draconian scorcher (39 damage)
                  | ... with damnation
226509 | Zig:19   | HP: 9/199 [white draconian stormcaller/divine providence
                  | (16)]
226521 | Zig:19   | HP: 4/199 [yellow draconian annihilator/bolt of lightning
                  | (11)]
226924 | Zig:19   | Identified the +0 scimitar "Blob" {heavy, Dex+6 Stlth+}
226939 | Zig:19   | Identified the +8 mace "Eshyucuo" {freeze, rPois Str-3
                  | Int+6 Dex-3}
226941 | Zig:19   | Identified the +8 arbalest "Ycwyduth" {drain, rPois Int+2}
226942 | Zig:19   | Identified the staff of earth "Ehuefu" {rC+ Dex+2 Stlth+}
226946 | Zig:19   | Identified the staff of air "Tuwkyb" {rElec Str+3}
226947 | Zig:19   | Identified the staff of air "Atoefypo" {+Blink rElec rN+
                  | Int-5 Dex+3}
226951 | Zig:19   | Identified the staff of poison "Veso" {rPois rN+ Int+4}
226958 | Zig:20   | Entered Level 20 of a ziggurat
226980 | Zig:20   | Paralysed by accursed screaming for 2 turns
226986 | Zig:20   | Slain by a bone dragon (14 damage)
227019 | Zig:20   | Gained mutation: You occasionally shout uncontrollably at
                  | your foes. [a neqoxec]
227022 | Zig:20   | HP: 9/199 [bone dragon (9)]
227028 | Zig:20   | HP: 3/159 [starcursed mass/accursed screaming (9)]
227031 | Zig:20   | Killed from afar by a starcursed mass (12 damage)
                  | ... with an accursed screaming
227110 | Zig:20   | Killed a starcursed mass
227112 | Zig:20   | Killed a starcursed mass
227342 | Zig:20   | Identified the ring "Paijy" {rCorr Str+2}
227344 | Zig:20   | Identified the +6 scale mail "Hero's Friend" {-Tele Harm
                  | rN+}
227345 | Zig:20   | Identified the +6 great sword of Hosock {freeze, Int+3}
227348 | Zig:20   | Identified the ring "Ibrinisch" {rPois rC+ rCorr Str+6
                  | Dex-2}
227365 | Zig:20   | Identified the +1 flail of the Thirteen Lives {freeze, rF+
                  | rC+++ MP-9 Stlth+}
227367 | Zig:20   | Identified the +8 sling of Fury {freeze, rC+ Str+2}
227393 | Zig:21   | Entered Level 21 of a ziggurat
227766 | Zig:21   | Identified the +1 leather armour "Waitset" {Fly MP-9 SInv
                  | Stlth-}
227771 | Zig:21   | Identified the ring "Taihar" {rElec rF+ rN++ rCorr Str-5}
227776 | Zig:21   | Identified the +4 helmet of Vots {*Corrode +Inv rPois}
227779 | Zig:21   | Identified the ring "Goconythiu" {Int+7 Slay+4}
227798 | Zig:21   | Identified the +0 tower shield "Zarios" {rElec rN+ Int+3
                  | Slay-3}
227805 | Zig:22   | Entered Level 22 of a ziggurat
227920 | Zig:22   | HP: 5/199 [emperor scorpion (14)]
227926 | Zig:22   | HP: 4/199 [emperor scorpion (3)]
228294 | Zig:22   | Identified the amulet of Intercession {Regen+ Str+5}
228298 | Zig:22   | Identified the +10 trident "Cora" {distort, rElec Dex+3}
228299 | Zig:22   | Identified the staff of fire "Axesul" {rF+ Will- Str+4}
228307 | Zig:22   | Identified the +0 morningstar of Ysemyx {flame, Fragile
                  | rCorr Int+2}
228318 | Zig:22   | Identified the ring "Caok" {rN+ Int+5 Stlth-}
228365 | Zig:23   | Entered Level 23 of a ziggurat
228378 | Zig:23   | HP: 7/199 [nargun (9)]
228378 | Zig:23   | Killed from afar by an Ice Fiend (12 damage)
                  | ... with a bolt of cold
228383 | Zig:23   | Killed from afar by a wendigo (40 damage)
                  | ... with a seracfall
228394 | Zig:23   | Paralysed by a wendigo for 1 turns
228395 | Zig:23   | Killed from afar by an Ice Fiend (36 damage)
                  | ... with a bolt of cold
228396 | Zig:23   | Found the +0 toga "Victory" {*Victory Clar}
228402 | Zig:23   | Killed from afar by a wendigo (23 damage)
                  | ... with a seracfall
228407 | Zig:23   | Killed from afar by a blizzard demon (38 damage)
                  | ... with a bolt of cold
228418 | Zig:23   | HP: 5/199 [blizzard demon/bolt of lightning (13)]
228418 | Zig:23   | Killed by the air
                  | ... invoked by a blizzard demon
                  | (24 damage)
228902 | Zig:23   | Identified the +6 short sword of Brutal Revenge {protect,
                  | rPois Str+2 SInv}
228905 | Zig:23   | Identified the staff of cold "Asaramoa" {rC+ Dex+5}
228906 | Zig:23   | Identified the +0 mace of Tumult {flame, Will+ Int+2}
228907 | Zig:23   | Identified the +1 dire flail of Sakemin {protect, rPois
                  | Will- rCorr Str+2}
228912 | Zig:23   | Identified the +6 long sword "Weirhawn" {heavy, rElec rF-
                  | Str+8 Stlth-}
228917 | Zig:23   | Identified the +5 mace "Diliovum" {antimagic, rPois Str+7}
228936 | Zig:24   | Entered Level 24 of a ziggurat
228963 | Zig:24   | HP: 7/199 [iron giant/iron giant (14)]
228964 | Zig:24   | Slain by an iron golem (12 damage)
228989 | Zig:24   | Found the +18 shield of the Gong {Loud rN+ Will+ rCorr
                  | EV-5}
229236 | Zig:24   | Identified the ring of Makhleb's Favour {+Blink rElec Will-
                  | Dex+6}
229289 | Zig:24   | Identified the +2 hand axe of Uleiwes {pain, rPois}
229290 | Zig:24   | Identified the +2 ring mail "Roupuatz" {Harm *Corrode rF+++
                  | Will++ Int-5}
229296 | Zig:24   | Identified the staff of cold "Sudox" {rF- rC+ rCorr Str+2}
229297 | Zig:24   | Identified the +11 chain mail of Deth {rF++ Will++ Str-4}
229303 | Zig:24   | Identified the +5 halberd "Veytwos" {heavy, Will+ rCorr}
229305 | Zig:24   | Identified the +5 sling of Agony {freeze, rPois rCorr}
229328 | Zig:24   | Identified the +0 robe of Hepliaklqana's Fury {Drain rF+
                  | Will+ Regen+}
229365 | Zig:25   | Entered Level 25 of a ziggurat
229411 | Zig:25   | Hit by a silver javelin thrown by a merfolk javelineer (17
                  | damage)
229584 | Zig:25   | Identified the staff of air "Emnyh" {rElec Str+3 SInv}
229642 | Zig:25   | Identified the amulet "Jiutyigy" {RegenMP Int+3}
229645 | Zig:25   | Identified the +2 dagger of Sogog {flame, +Blink rElec
                  | Str+4 Dex-3}
229647 | Zig:25   | Identified the +10 mace of Ynniruu {flame, rElec}
229669 | Zig:25   | Identified the +4 ring mail "Duempest" {Will+}
229671 | Zig:25   | Identified the +8 halberd "Jiysarch" {heavy, *Rage rC+++
                  | Will++ rCorr}
229678 | Zig:25   | Identified the +1 long sword "Xookinud" {flame, Drain
                  | +Blink rElec Dex+2}
229680 | Zig:26   | Entered Level 26 of a ziggurat
229693 | Zig:26   | Noticed a dread lich
229695 | Zig:26   | Noticed an ancient lich
229695 | Zig:26   | Noticed an ancient lich
229695 | Zig:26   | Noticed an ancient lich
229695 | Zig:26   | Noticed an ancient lich
229696 | Zig:26   | Noticed an ancient lich
229696 | Zig:26   | Noticed an ancient lich
229696 | Zig:26   | Noticed a dread lich
229696 | Zig:26   | Noticed a dread lich
229696 | Zig:26   | Noticed an ancient lich
229696 | Zig:26   | Noticed an ancient lich
229696 | Zig:26   | Noticed an ancient lich
229696 | Zig:26   | Noticed an ancient lich
229696 | Zig:26   | Noticed an ancient lich
229697 | Zig:26   | Killed an ancient lich
229697 | Zig:26   | Killed an ancient lich
229697 | Zig:26   | Killed an ancient lich
229698 | Zig:26   | Killed an ancient lich
229698 | Zig:26   | Killed an ancient lich
229699 | Zig:26   | Killed a dread lich
229699 | Zig:26   | Killed a dread lich
229699 | Zig:26   | Killed a dread lich
229699 | Zig:26   | Killed an ancient lich
229700 | Zig:26   | Noticed an ancient lich
229700 | Zig:26   | Killed an ancient lich
229700 | Zig:26   | Noticed an ancient lich
229701 | Zig:26   | Noticed an ancient lich
229701 | Zig:26   | Noticed an ancient lich
229701 | Zig:26   | Noticed an ancient lich
229702 | Zig:26   | Noticed an ancient lich
229702 | Zig:26   | Killed an ancient lich
229702 | Zig:26   | Killed an ancient lich
229702 | Zig:26   | Noticed a dread lich
229703 | Zig:26   | Noticed an ancient lich
229706 | Zig:26   | Killed an ancient lich
229706 | Zig:26   | Noticed a dread lich
229707 | Zig:26   | Killed an ancient lich
229707 | Zig:26   | Noticed an ancient lich
229708 | Zig:26   | Noticed a dread lich
229708 | Zig:26   | Killed an ancient lich
229708 | Zig:26   | Killed an ancient lich
229709 | Zig:26   | Noticed a dread lich
229710 | Zig:26   | Noticed a dread lich
229710 | Zig:26   | Noticed an ancient lich
229710 | Zig:26   | Noticed a dread lich
229712 | Zig:26   | Killed an ancient lich
229712 | Zig:26   | Killed an ancient lich
229712 | Zig:26   | Noticed a dread lich
229713 | Zig:26   | Killed an ancient lich
229713 | Zig:26   | Noticed an ancient lich
229713 | Zig:26   | Noticed an ancient lich
229713 | Zig:26   | Noticed an ancient lich
229713 | Zig:26   | Noticed a dread lich
229714 | Zig:26   | Killed an ancient lich
229714 | Zig:26   | Killed an ancient lich
229714 | Zig:26   | Noticed an ancient lich
229714 | Zig:26   | Noticed an ancient lich
229717 | Zig:26   | HP: 7/199 [titan/the air (7)]
229717 | Zig:26   | Killed from afar by a titan (12 damage)
                  | ... with a bolt of lightning
229720 | Zig:26   | Killed an ancient lich
229720 | Zig:26   | Killed a dread lich
229721 | Zig:26   | Killed a dread lich
229723 | Zig:26   | Killed a dread lich
229724 | Zig:26   | Killed a dread lich
229724 | Zig:26   | Killed an ancient lich
229724 | Zig:26   | Killed a dread lich
229724 | Zig:26   | Noticed a dread lich
229725 | Zig:26   | Killed an ancient lich
229726 | Zig:26   | Noticed a dread lich
229727 | Zig:26   | Killed an ancient lich
229727 | Zig:26   | Killed a dread lich
229727 | Zig:26   | Killed a dread lich
229729 | Zig:26   | Killed a dread lich
229731 | Zig:26   | Killed an ancient lich
229732 | Zig:26   | Noticed an ancient lich
229733 | Zig:26   | Killed a dread lich
229733 | Zig:26   | Killed a dread lich
229733 | Zig:26   | Killed an ancient lich
229735 | Zig:26   | Noticed a dread lich
229739 | Zig:26   | Noticed a dread lich
229744 | Zig:26   | Killed an ancient lich
229744 | Zig:26   | Killed an ancient lich
229744 | Zig:26   | Noticed an ancient lich
229744 | Zig:26   | Noticed an ancient lich
229745 | Zig:26   | Noticed an ancient lich
229747 | Zig:26   | Killed a dread lich
229751 | Zig:26   | Noticed an ancient lich
229754 | Zig:26   | Killed a dread lich
229754 | Zig:26   | Noticed an ancient lich
229754 | Zig:26   | Noticed a dread lich
229757 | Zig:26   | Noticed a dread lich
229759 | Zig:26   | Killed an ancient lich
229759 | Zig:26   | Killed from afar by an ancient lich (82 damage)
                  | ... with a crystal spear
229759 | Zig:26   | Noticed a dread lich
229760 | Zig:26   | Killed an ancient lich
229761 | Zig:26   | Killed an ancient lich
229764 | Zig:26   | Killed an ancient lich
229766 | Zig:26   | Killed an ancient lich
229772 | Zig:26   | Killed a dread lich
229775 | Zig:26   | Killed a dread lich
229780 | Zig:26   | Killed a dread lich
229792 | Zig:26   | Noticed an ancient lich
229798 | Zig:26   | HP: 5/199 [titan/the air (35)]
229801 | Zig:26   | Killed from afar by a titan (10 damage)
                  | ... with a bolt of lightning
229803 | Zig:26   | Killed an ancient lich
229976 | Zig:26   | Identified the staff of conjuration "Winur Xikk" {rF++
                  | Str-4 Dex+4}
229977 | Zig:26   | Identified the +2 quarterstaff of Ciaproan {flame, SInv
                  | Stlth+}
229984 | Zig:26   | Identified the ring of Losaem Nuih {rF++ Dex+6}
229996 | Zig:26   | Identified the staff of death "Inoqor" {rC+ rN+ Str+3
                  | Int+2}
230016 | Zig:26   | Identified the ring of Xaen {rC++ EV+5}
230023 | Zig:26   | Identified the +2 triple sword of the Shouting Shrike
                  | {freeze, rPois rN+ Will-}
230043 | Zig:27   | Entered Level 27 of a ziggurat
230059 | Zig:27   | Noticed a dread lich
230061 | Zig:27   | Noticed an ancient lich
230062 | Zig:27   | Noticed a dread lich
230063 | Zig:27   | Noticed an ancient lich
230063 | Zig:27   | Noticed a dread lich
230063 | Zig:27   | Noticed an ancient lich
230063 | Zig:27   | Noticed a dread lich
230063 | Zig:27   | Noticed a dread lich
230063 | Zig:27   | Noticed an ancient lich
230063 | Zig:27   | Noticed a dread lich
230063 | Zig:27   | Noticed an ancient lich
230063 | Zig:27   | Noticed a dread lich
230063 | Zig:27   | Noticed a dread lich
230063 | Zig:27   | Noticed an ancient lich
230063 | Zig:27   | Noticed a dread lich
230064 | Zig:27   | Noticed an ancient lich
230064 | Zig:27   | Noticed an ancient lich
230064 | Zig:27   | Killed an ancient lich
230065 | Zig:27   | Killed a dread lich
230065 | Zig:27   | Noticed an ancient lich
230066 | Zig:27   | Noticed a dread lich
230066 | Zig:27   | Killed an ancient lich
230067 | Zig:27   | Killed an ancient lich
230067 | Zig:27   | Killed a dread lich
230067 | Zig:27   | Killed a dread lich
230067 | Zig:27   | Killed a dread lich
230067 | Zig:27   | Killed a dread lich
230067 | Zig:27   | Killed an ancient lich
230067 | Zig:27   | Killed an ancient lich
230067 | Zig:27   | Killed an ancient lich
230068 | Zig:27   | Noticed an ancient lich
230068 | Zig:27   | Killed an ancient lich
230068 | Zig:27   | Killed a dread lich
230068 | Zig:27   | Killed a dread lich
230068 | Zig:27   | Killed a dread lich
230068 | Zig:27   | Killed a dread lich
230068 | Zig:27   | Noticed a dread lich
230068 | Zig:27   | Killed an ancient lich
230068 | Zig:27   | Noticed an ancient lich
230068 | Zig:27   | Noticed a dread lich
230068 | Zig:27   | Noticed a dread lich
230070 | Zig:27   | Noticed an ancient lich
230070 | Zig:27   | Noticed a dread lich
230071 | Zig:27   | Noticed an ancient lich
230072 | Zig:27   | Killed a dread lich
230079 | Zig:27   | Killed a dread lich
230080 | Zig:27   | Killed a dread lich
230080 | Zig:27   | Killed a dread lich
230080 | Zig:27   | Killed an ancient lich
230080 | Zig:27   | Killed an ancient lich
230080 | Zig:27   | Killed an ancient lich
230080 | Zig:27   | Noticed a dread lich
230081 | Zig:27   | Noticed an ancient lich
230081 | Zig:27   | Killed an ancient lich
230082 | Zig:27   | Killed an ancient lich
230083 | Zig:27   | Killed a dread lich
230083 | Zig:27   | Noticed a dread lich
230084 | Zig:27   | Noticed a dread lich
230084 | Zig:27   | Noticed an ancient lich
230086 | Zig:27   | Noticed an ancient lich
230086 | Zig:27   | Noticed a dread lich
230086 | Zig:27   | Noticed an ancient lich
230087 | Zig:27   | Noticed a dread lich
230090 | Zig:27   | Killed an ancient lich
230091 | Zig:27   | Killed a dread lich
230092 | Zig:27   | Killed an ancient lich
230093 | Zig:27   | Killed a dread lich
230096 | Zig:27   | Noticed a dread lich
230098 | Zig:27   | Killed an ancient lich
230099 | Zig:27   | Killed a dread lich
230101 | Zig:27   | Noticed a dread lich
230102 | Zig:27   | Noticed an ancient lich
230106 | Zig:27   | Killed a dread lich
230106 | Zig:27   | Killed an ancient lich
230110 | Zig:27   | Killed a dread lich
230113 | Zig:27   | HP: 8/199 [bone dragon (4)]
230115 | Zig:27   | Killed a dread lich
230115 | Zig:27   | Killed a dread lich
230118 | Zig:27   | Killed an ancient lich
230118 | Zig:27   | HP: 8/199 [??? (1)]
230121 | Zig:27   | Slain by a profane servitor
                  | ... wielding a +1 whip
                  | (9 damage)
230123 | Zig:27   | Noticed a dread lich
230133 | Zig:27   | Killed a dread lich
230316 | Zig:27   | Identified the ring of Ashenzari's Favour {rF- EV+5 Str-3
                  | SInv Stlth+}
230325 | Zig:27   | Identified the staff of cold "Zesur" {rC+ Dex+5}
230326 | Zig:27   | Identified the +6 leather armour of Cikk {rElec Will+}
230332 | Zig:27   | Identified the +1 robe of Midsummer {Harm Drain Str+2
                  | Int+4}
230336 | Zig:27   | Identified the staff of poison "Pojobreng" {rPois Dex+5}
230337 | Zig:27   | Identified the staff of poison "Gazau" {rPois rF- Will+
                  | Dex+5 Stlth+}
230339 | Zig:27   | Identified the +1 pair of gloves of Iluva {rN+ Str+3 Int+2}
230348 | Zig:27   | Identified the +2 kite shield of Forking Paths {*Slow Will+
                  | Dex+3}
230352 | Zig:27   | Identified the staff of poison "Xeadelu" {Drain rPois rN+
                  | Str+4}
230354 | Zig:27   | Identified the staff of cold "Gytuics" {rPois rC+ rN+++
                  | Int-5}
230355 | Zig:27   | Identified the ring "Zoeveq" {MP+9 Int+3 Stlth+}
230357 | Zig:27   | Identified the +4 plate armour "Lecw" {Fly rPois Regen+
                  | Int+5}
230359 | Zig:27   | Identified the staff of air "Vuhisifexe" {rElec Dex+4}
230365 | Zig:27   | Identified the ring "Kigep" {rC++ Int+6 Dex+3 SInv}
230369 | Zig:27   | Identified the +2 spear of Rueryfaw {vamp, rPois Str-5 SInv
                  | Stlth+}
230370 | Zig:27   | Identified the +6 long sword "Transmigrator" {pain, rF+}
230379 | Zig:27   | Identified the +2 scale mail of Dyspraxia {Harm Int+4
                  | Stlth-}
230382 | Zig:27   | Identified the +1 great mace "Usavoul" {freeze, Fly rN+}
230415 | Zig:27   | Acquired 1067 gold pieces
230571 | Zig:1    | Entered Level 1 of a ziggurat
230635 | Zig:2    | Entered Level 2 of a ziggurat
230635 | Zig:2    | Noticed a dread lich
230643 | Zig:2    | Killed a dread lich
230795 | Zig:3    | Entered Level 3 of a ziggurat
230814 | Zig:3    | Identified the staff of death "Zoucrum" {rN+ rCorr SInv
                  | Stlth+}
230822 | Zig:4    | Entered Level 4 of a ziggurat
230822 | Zig:4    | Noticed Luat the pandemonium lord
230822 | Zig:4    | Noticed Ywoto the pandemonium lord
230822 | Zig:4    | Noticed Qytot the pandemonium lord
230822 | Zig:4    | Noticed Beumak the pandemonium lord
230822 | Zig:4    | Noticed Xenifox the pandemonium lord
230824 | Zig:4    | Noticed Kore the pandemonium lord
230824 | Zig:4    | Noticed Mimapec the pandemonium lord
230827 | Zig:4    | Noticed Uteitof the pandemonium lord
230829 | Zig:4    | Killed Xenifox the pandemonium lord
230829 | Zig:4    | Killed Qytot the pandemonium lord
230834 | Zig:4    | Killed Ywoto the pandemonium lord
230836 | Zig:4    | Killed Beumak the pandemonium lord
230839 | Zig:4    | Killed Mimapec the pandemonium lord
230847 | Zig:4    | Killed Kore the pandemonium lord
230851 | Zig:4    | Killed Luat the pandemonium lord
230851 | Zig:4    | HP: 9/199 [Uteitof the pandemonium lord/bolt of lightning
                  | (3)]
230859 | Zig:4    | Blown up by Uteitof the pandemonium lord (19 damage)
                  | ... with a bolt of energy
230862 | Zig:4    | Killed Uteitof the pandemonium lord
231143 | Zig:5    | Entered Level 5 of a ziggurat
231143 | Zig:5    | Noticed a royal mummy
231143 | Zig:5    | Noticed a royal mummy
231143 | Zig:5    | Noticed a royal mummy
231143 | Zig:5    | Noticed a royal mummy
231143 | Zig:5    | Noticed a royal mummy
231143 | Zig:5    | Noticed a royal mummy
231146 | Zig:5    | HP: 6/197 [royal mummy/divine providence (14)]
231147 | Zig:5    | Killed by a mummy priest's death curse (10 damage)
231148 | Zig:5    | Killed a royal mummy
231148 | Zig:5    | Killed a royal mummy
231149 | Zig:5    | Noticed a royal mummy
231153 | Zig:5    | Killed a royal mummy
231153 | Zig:5    | Killed a royal mummy
231154 | Zig:5    | Killed a royal mummy
231154 | Zig:5    | Killed a royal mummy
231154 | Zig:5    | Killed a royal mummy
231154 | Zig:5    | HP: 6/199 [something (11)]
231154 | Zig:5    | Killed by a guardian mummy's death curse (15 damage)
231277 | Zig:5    | Identified the +1 shortbow of the Cup {freeze, Will+ Str+4
                  | Dex+3}
231278 | Zig:5    | Identified the +5 war axe of the Boar {drain, Str+3 Int+4}
231286 | Zig:6    | Entered Level 6 of a ziggurat
231408 | Zig:6    | Identified the +3 battleaxe of Extermination {freeze, rF+
                  | SInv}
231411 | Zig:6    | Identified the ring of the Philosopher {+Blink rElec rC++
                  | Str+6 Slay-4}
231418 | Zig:6    | Identified the staff of air "Nuji" {rElec Dex+4}
231425 | Zig:7    | Entered Level 7 of a ziggurat
231425 | Zig:7    | Noticed a juggernaut
231425 | Zig:7    | Noticed a juggernaut
231425 | Zig:7    | Noticed a juggernaut
231429 | Zig:7    | Noticed a juggernaut
231437 | Zig:7    | Killed a juggernaut
231439 | Zig:7    | Killed a juggernaut
231440 | Zig:7    | Noticed a juggernaut
231441 | Zig:7    | Killed a juggernaut
231442 | Zig:7    | Killed a juggernaut
231452 | Zig:7    | Killed a juggernaut
231580 | Zig:7    | Identified the +1 leather armour of Okawaru's Displeasure
                  | {-Cast rC++ SInv}
231642 | Zig:8    | Entered Level 8 of a ziggurat
231815 | Zig:8    | Identified the +3 leather armour "Ethramp Less" {Str+3}
231819 | Zig:8    | Identified the +1 eveningstar "Voacixo Noga" {freeze, rF++
                  | rC- MP+9 Int+3}
231828 | Zig:8    | Identified the +2 pair of boots of the Dragon {Int+3 Dex+4}
231830 | Zig:8    | Identified the staff of death "Gitwe" {*Corrode rElec rPois
                  | rN+ Str+2}
231863 | Zig:1    | Entered Level 1 of a ziggurat
231878 | Zig:1    | Identified the amulet of Quar {Spirit Harm Str+6 Dex+3}
231885 | Zig:2    | Entered Level 2 of a ziggurat
231885 | Zig:2    | Noticed Ynoewidu the pandemonium lord
231885 | Zig:2    | Noticed Ecink the pandemonium lord
231885 | Zig:2    | Noticed Xamim the pandemonium lord
231887 | Zig:2    | Noticed Cuirem the pandemonium lord
231887 | Zig:2    | Noticed Esmyhon the pandemonium lord
231887 | Zig:2    | Noticed Atsiun the pandemonium lord
231892 | Zig:2    | Killed Ynoewidu the pandemonium lord
231893 | Zig:2    | Killed Xamim the pandemonium lord
231894 | Zig:2    | Killed Esmyhon the pandemonium lord
231895 | Zig:2    | Killed Cuirem the pandemonium lord
231895 | Zig:2    | Killed Ecink the pandemonium lord
231896 | Zig:2    | Killed Atsiun the pandemonium lord
231908 | Zig:3    | Entered Level 3 of a ziggurat
231917 | Zig:3    | Identified the staff of air "Afown" {rElec Dex+2}
231936 | Zig:4    | Entered Level 4 of a ziggurat
232408 | Zig:5    | Entered Level 5 of a ziggurat
232408 | Zig:5    | Noticed Mutaw the pandemonium lord
232408 | Zig:5    | Noticed Cifydiu the pandemonium lord
232408 | Zig:5    | Noticed Rajokhay the pandemonium lord
232408 | Zig:5    | Noticed Gizurat the pandemonium lord
232408 | Zig:5    | Noticed Yhew the pandemonium lord
232408 | Zig:5    | Noticed Zosmollomud the pandemonium lord
232408 | Zig:5    | Noticed Giwiygr Ciug the pandemonium lord
232408 | Zig:5    | Noticed Lumish the pandemonium lord
232409 | Zig:5    | Noticed Izxofem the pandemonium lord
232409 | Zig:5    | Noticed Ynwaacle the pandemonium lord
232409 | Zig:5    | Noticed Suor the pandemonium lord
232409 | Zig:5    | Noticed Qattou the pandemonium lord
232409 | Zig:5    | Noticed Vient the pandemonium lord
232409 | Zig:5    | Noticed Ittafur the pandemonium lord
232412 | Zig:5    | Noticed Nevillav the pandemonium lord
232414 | Zig:5    | Noticed Wip Jiut the pandemonium lord
232416 | Zig:5    | Killed Suor the pandemonium lord
232416 | Zig:5    | Killed Mutaw the pandemonium lord
232416 | Zig:5    | Killed Zosmollomud the pandemonium lord
232417 | Zig:5    | Killed Ittafur the pandemonium lord
232417 | Zig:5    | Killed Cifydiu the pandemonium lord
232418 | Zig:5    | Killed Gizurat the pandemonium lord
232418 | Zig:5    | Killed Giwiygr Ciug the pandemonium lord
232418 | Zig:5    | Killed Lumish the pandemonium lord
232419 | Zig:5    | Killed Ynwaacle the pandemonium lord
232422 | Abyss:5  | Cast into level 5 of the Abyss (Rajokhay)
232498 | Zig:5    | Escaped the Abyss
232501 | Zig:5    | Killed Nevillav the pandemonium lord
232501 | Zig:5    | Killed Qattou the pandemonium lord
232504 | Zig:5    | Killed Vient the pandemonium lord
232506 | Zig:5    | Killed Izxofem the pandemonium lord
232507 | Zig:5    | Killed Wip Jiut the pandemonium lord
232508 | Zig:5    | Killed Yhew the pandemonium lord
232509 | Zig:5    | Killed Rajokhay the pandemonium lord
232600 | Zig:5    | Identified the ring of the Catamount {rCorr MP+9}
232604 | Zig:5    | Identified the +5 glaive "Beetleslayer" {freeze, rElec
                  | Dex+2 Stlth+}
232605 | Zig:5    | Identified the +6 scimitar of Infinity {heavy, *Corrode
                  | Int-2 Dex+7}
232609 | Zig:5    | Identified the +5 halberd of Twilight {holy, rN+}
232633 | Zig:6    | Entered Level 6 of a ziggurat
232789 | Zig:6    | Identified the ring of the Growing Gods {rPois rF++ rC- rN+
                  | rCorr}
232791 | Zig:6    | Identified the +6 trident of Posempeq {protect, rF- Int+4}
232795 | Zig:6    | Identified the +12 morningstar "Igezueke" {elec, Fly rElec
                  | rF- Dex+5}
232809 | Zig:7    | Entered Level 7 of a ziggurat
232812 | Zig:7    | Noticed an ancient lich
232814 | Zig:7    | Paralysed by a wendigo for 1 turns
232815 | Zig:7    | Killed from afar by an Ice Fiend (28 damage)
                  | ... with a bolt of cold
232817 | Zig:7    | Killed an ancient lich
232819 | Zig:7    | Paralysed by a wendigo for 1 turns
233256 | Zig:7    | Identified the ring "Cupoxeog" {Will- Str+3 Int+6 Dex+6}
233263 | Zig:7    | Identified the staff of death "Xaoladgh" {rElec rPois rC-
                  | rN+ Str+2}
233272 | Zig:8    | Entered Level 8 of a ziggurat
233272 | Zig:8    | Noticed a royal mummy
233272 | Zig:8    | Noticed a royal mummy
233272 | Zig:8    | Noticed a royal mummy
233272 | Zig:8    | Noticed a royal mummy
233272 | Zig:8    | Noticed a royal mummy
233272 | Zig:8    | Noticed a royal mummy
233277 | Zig:8    | Killed a royal mummy
233278 | Zig:8    | Killed a royal mummy
233278 | Zig:8    | Killed a royal mummy
233278 | Zig:8    | Killed a royal mummy
233278 | Zig:8    | Killed a royal mummy
233278 | Zig:8    | Killed by a royal mummy's death curse (21 damage)
233279 | Zig:8    | Noticed a royal mummy
233279 | Zig:8    | Killed a royal mummy
233281 | Zig:8    | Noticed a royal mummy
233282 | Zig:8    | HP: 9/199 [something (12)]
233282 | Zig:8    | Noticed a royal mummy
233283 | Zig:8    | HP: 1/199 [something (9)]
233283 | Zig:8    | Killed by a mummy priest's death curse (10 damage)
233283 | Zig:8    | Noticed a royal mummy
233285 | Zig:8    | Killed a royal mummy
233287 | Zig:8    | Noticed a royal mummy
233287 | Zig:8    | Killed a royal mummy
233290 | Zig:8    | HP: 9/199 [royal mummy/divine providence (11)]
233290 | Zig:8    | Mangled by a death scarab (17 damage)
                  | ... summoned by a royal mummy
233291 | Zig:8    | Killed a royal mummy
233298 | Zig:8    | Killed a royal mummy
233302 | Zig:8    | Killed a royal mummy
233474 | Zig:8    | Identified the staff of conjuration "Xahismi" {Str+5}
233477 | Zig:8    | Identified the +10 scimitar of Jacw {heavy, rPois Will-
                  | Str-3 Dex+5}
233488 | Zig:8    | Identified the +3 mace "Ohiug" {elec, rC+ rN+ Str+4 Int-5}
233490 | Zig:8    | Identified the +3 hand axe of Pandemonium {heavy, rElec rF+
                  | Str+2}
233502 | Zig:9    | Entered Level 9 of a ziggurat
233518 | Zig:9    | Slain by an iron giant
                  | ... wielding a +0 giant club
                  | (18 damage)
233752 | Zig:9    | Identified the ring of Knowledge {rN+ Will+ Int-5 Dex+3}
233756 | Zig:9    | Identified the +7 dagger of Res Nullius {spect, Str+2 SInv}
233760 | Zig:9    | Identified the +6 great mace "Vienusti" {protect, Will+}
233770 | Zig:9    | Identified the ring of Puhip {Fly rF++ Str+2 Int-4}
233792 | Zig:10   | Entered Level 10 of a ziggurat
233802 | Zig:10   | Gained mutation: You expend magic power (3 MP) to
                  | strengthen your wands. [a shining eye]
234128 | Zig:11   | Entered Level 11 of a ziggurat
234305 | Zig:11   | Identified the ring of the Firefly {rN+++ rCorr Dex-4
                  | Slay+4 SInv}
234311 | Zig:11   | Identified the +0 dagger of the Howling One {pain, *Slow
                  | rF++}
234347 | Zig:12   | Entered Level 12 of a ziggurat
234348 | Zig:12   | Paralysed by an air elemental for 1 turns
234358 | Zig:12   | Killed from afar by a titan (15 damage)
                  | ... with a bolt of lightning
234536 | Zig:12   | Identified the +1 mace of Axaprase {vamp, rPois Str+3 Int-2
                  | Dex+5}
234543 | Zig:12   | Identified the staff of death "Unostrer" {rN+ Will+++ rCorr
                  | Dex-2 SInv}
234548 | Zig:12   | Identified the staff of poison "Biffe" {rPois Int+3 Dex-3}
234551 | Zig:12   | Identified the +3 flail "Voutuz" {drain, Will+ Str+3}
234557 | Zig:12   | Identified the ring of Demons {rElec rC+ rN+ MP+9}
234563 | Zig:12   | Identified the +4 halberd "Otwuts" {pain, *Slow rElec rF+++
                  | rCorr}
234568 | Zig:13   | Entered Level 13 of a ziggurat
234595 | Zig:13   | Paralysed by accursed screaming for 1 turns
234848 | Zig:13   | Found the +5 robe of Misfortune {Harm *Corrode *Slow EV+5}
234935 | Zig:13   | Identified the staff of earth "Babogykk" {+Blink rCorr
                  | Int+2}
234943 | Zig:13   | Identified the staff of earth "Leranul" {rPois rCorr Int+7
                  | Dex-3}
234951 | Zig:14   | Entered Level 14 of a ziggurat
235184 | Zig:14   | Identified the staff of cold "Ritsoseygo" {rC+ Stlth+}
235187 | Zig:14   | Identified the +2 flail "Demonbane" {flame, Drain Dex+7
                  | Stlth+}
235194 | Zig:14   | Identified the +6 morningstar "Cocvil" {drain, *Slow Will+
                  | Str+3 Int+2}
235202 | Zig:14   | Identified the +2 battleaxe of the Growing Seer {speed,
                  | Stlth+}
235203 | Zig:14   | Identified the +8 shortbow "Kifor" {drain, rN+}
235243 | Zig:14   | Identified the ring of Turghuaf {rN+ Slay+3}
235251 | Zig:15   | Entered Level 15 of a ziggurat
235534 | Zig:15   | Identified the ring of Cezuf {Dex+6 Slay+6}
235546 | Zig:15   | Identified the +7 sling of Cataclysm {flame, rC+}
235548 | Zig:15   | Identified the +6 great sword of the Cursing Gods {freeze,
                  | Fly Will+ Str-3 Int+4}
235549 | Zig:15   | Acquired 1048 gold pieces
235651 | Zig:15   | Identified the +1 morningstar "Etywe" {spect, rC- Str+3
                  | Dex+6}
235665 | Zig:16   | Entered Level 16 of a ziggurat
235794 | Zig:16   | Identified the +1 eveningstar "Hudanup" {drain, rF+ rN++
                  | rCorr}
235806 | Zig:16   | Identified the ring of Junlosep {Slay+2 SInv}
235809 | Zig:16   | Identified the +7 sling "Baeh" {freeze, rElec rF+ rN+++
                  | Int-2}
235810 | Zig:16   | Identified the staff of death "Uniehego" {rPois rN+ rCorr}
235820 | Zig:16   | Identified the +6 flail of the Fox {antimagic, rC+ rN+
                  | Dex+2 Stlth+}
235834 | Zig:17   | Entered Level 17 of a ziggurat
236005 | Zig:17   | Found the +1 Delatra's gloves {ID++}
236006 | Zig:17   | Identified the +8 short sword of Neurosis {protect, rCorr
                  | MP+9 Str-2}
236014 | Zig:17   | Identified the +2 rapier "Giqoshru" {flame, *Slow rPois
                  | Int+7}
236030 | Zig:17   | Identified the +5 shortbow "Killer Bee's Bane" {speed,
                  | rPois}
236034 | Zig:17   | Identified the +3 spear "Ycsei" {pain, rElec Will- MP-9
                  | Str+8}
236037 | Zig:17   | Identified the +1 ring mail "Jadyketoi" {Fly Regen+ Str-4
                  | Stlth+}
236039 | Zig:17   | Identified the +2 quarterstaff of Compassion {venom, rN+
                  | Will+ Int+4}
236044 | Zig:17   | Identified the staff of air "Teyquzoi" {+Blink rElec rN+}
236052 | Zig:17   | Identified the ring of Violav {rF+ rC+ SInv}
236058 | Zig:17   | Identified the +4 longbow "Mufoaxenn" {drain, +Blink rF-
                  | Str-3 Stlth+}
236059 | Zig:17   | Identified the +5 falchion "Beastslayer" {venom, Drain
                  | rPois SInv}
236064 | Zig:17   | Identified the +0 giant club "Acoomp" {freeze, rCorr SInv}
236099 | Zig:17   | Identified the staff of poison "Tiusi" {rPois Will- Dex+8}
236113 | Zig:18   | Entered Level 18 of a ziggurat
236137 | Zig:18   | Killed from afar by a Hell Sentinel (43 damage)
                  | ... with an iron shot
236340 | Zig:18   | Identified the staff of poison "Danetuid" {rPois rF+ Will+}
236357 | Zig:18   | Identified the +1 cloak of a treasure trove {rC+ Int+4}
236363 | Zig:18   | Identified the +5 shortbow of Leiqou Olat {drain, Contam
                  | rPois Dex+2}
236364 | Zig:18   | Identified the staff of fire "Dicwa" {rF+ Will+++ MP-9
                  | Dex+5 SInv}
236368 | Zig:18   | Identified the staff of fire "Xewopiall" {rPois rF+ Str+8
                  | Dex-5}
236370 | Zig:18   | Identified the +0 leather armour of Vlad {rPois Regen+
                  | Int-2}
236372 | Zig:18   | Identified the +12 lajatang of Perfectionism {freeze,
                  | *Corrode Dex+7}
236392 | Zig:19   | Entered Level 19 of a ziggurat
236392 | Zig:19   | Noticed a juggernaut
236392 | Zig:19   | Noticed a juggernaut
236392 | Zig:19   | Noticed a juggernaut
236392 | Zig:19   | Noticed a juggernaut
236392 | Zig:19   | Noticed a juggernaut
236392 | Zig:19   | Noticed a juggernaut
236392 | Zig:19   | Noticed a juggernaut
236397 | Zig:19   | Killed a juggernaut
236398 | Zig:19   | Killed a juggernaut
236398 | Zig:19   | Killed a juggernaut
236400 | Zig:19   | Noticed a juggernaut
236400 | Zig:19   | Killed a juggernaut
236402 | Zig:19   | Noticed a juggernaut
236402 | Zig:19   | Noticed a juggernaut
236403 | Zig:19   | Noticed a juggernaut
236403 | Zig:19   | Killed a juggernaut
236403 | Zig:19   | Killed a juggernaut
236403 | Zig:19   | Killed a juggernaut
236404 | Zig:19   | Noticed a juggernaut
236404 | Zig:19   | Noticed a juggernaut
236404 | Zig:19   | Noticed a juggernaut
236404 | Zig:19   | Noticed a juggernaut
236405 | Zig:19   | Noticed a juggernaut
236406 | Zig:19   | Noticed a juggernaut
236408 | Zig:19   | Killed a juggernaut
236410 | Zig:19   | Noticed a juggernaut
236411 | Zig:19   | Noticed a juggernaut
236412 | Zig:19   | Killed a juggernaut
236412 | Zig:19   | Killed a juggernaut
236412 | Zig:19   | Killed a juggernaut
236413 | Zig:19   | Noticed a juggernaut
236413 | Zig:19   | Noticed a juggernaut
236414 | Zig:19   | Killed a juggernaut
236414 | Zig:19   | Noticed a juggernaut
236414 | Zig:19   | Killed a juggernaut
236416 | Zig:19   | Killed a juggernaut
236418 | Zig:19   | Noticed a juggernaut
236418 | Zig:19   | Killed a juggernaut
236419 | Zig:19   | Noticed a juggernaut
236419 | Zig:19   | Killed a juggernaut
236421 | Zig:19   | Killed a juggernaut
236422 | Zig:19   | Killed a juggernaut
236422 | Zig:19   | Killed a juggernaut
236422 | Zig:19   | Killed a juggernaut
236423 | Zig:19   | Killed a juggernaut
236427 | Zig:19   | Killed a juggernaut
236427 | Zig:19   | Killed a juggernaut
236429 | Zig:19   | Killed a juggernaut
236453 | Zig:19   | Found the +7 Kryia's mail coat {PotionHeal*2 rC+}
236680 | Zig:19   | Identified the ring of Zuulem {Fly rElec Dex+3}
236686 | Zig:19   | Identified the +1 great sword of Izieweb {heavy, rC+ Str+3}
236688 | Zig:19   | Identified the staff of poison "Ynothrob" {rPois Will+
                  | rCorr Str+3}
236719 | Zig:19   | Identified the +0 leather armour "Idixasm" {+Blink rC+ SInv
                  | Stlth-}
236728 | Zig:19   | Identified the +2 leather armour of Conscience {Fly Will-
                  | Str+2}
236733 | Zig:20   | Entered Level 20 of a ziggurat
236937 | Zig:20   | Identified the ring of Lunkul {EV+5 Str+5}
236940 | Zig:20   | Identified the +6 rapier of Zin's Whim {antimagic, rPois
                  | rF+++ Int-5 SInv}
236941 | Zig:20   | Identified the ring of Ahoduco {rC+ Will+ Int+3 Dex-5}
236945 | Zig:20   | Identified the +5 sling of the Witching Rat {antimagic,
                  | +Blink rF+ rCorr Dex-3}
236946 | Zig:20   | Identified the amulet of Peace {Spirit rPois rC+++ Str-3
                  | Stlth+}
236963 | Zig:20   | Identified the staff of earth "Vachih" {rPois rN+}
236967 | Zig:20   | Identified the +2 pair of gloves "Rutanuat" {Int+2 Stlth+}
236973 | Zig:20   | Identified the staff of death "Gyinel" {*Slow +Blink rPois
                  | rN+ Will-}
236974 | Zig:20   | Identified the orb "Fujat" {guile, *Slow rPois rF+++
                  | Stlth+}
236975 | Zig:20   | Identified the +10 scimitar of the Grim God {venom, Drain
                  | rPois Will+ Str+5}
236978 | Zig:20   | Identified the +6 demon trident "Anoceisu" {freeze, Int+5}
237011 | Zig:20   | Acquired 1207 gold pieces
237031 | Zig:21   | Entered Level 21 of a ziggurat
237068 | Zig:21   | Killed from afar by a crystal guardian (32 damage)
                  | ... with a crystal bolt
237115 | Zig:21   | Found the +4 robe of Augmentation {Str+4 Int+4 Dex+4}
237277 | Zig:21   | Identified the staff of air "Ciaguus" {rElec rN+ rCorr
                  | Int+3}
237280 | Zig:21   | Identified the +9 dagger of Generosity {distort, Str+4 SInv
                  | Stlth+}
237283 | Zig:21   | Identified the staff of poison "Etyupp" {*Slow rPois rN++}
237318 | Zig:21   | Identified the ring of Doubts {rPois Str+6}
237364 | Zig:21   | Identified the +0 robe "Buasumoy" {Rampage SInv}
237372 | Zig:22   | Entered Level 22 of a ziggurat
237390 | Zig:22   | HP: 5/199 [purple draconian shifter/bolt of dispelling
                  | energy (8)]
237390 | Zig:22   | Killed from afar by a red draconian scorcher (15 damage)
                  | ... with damnation
237424 | Zig:22   | Found the +2 ratskin cloak {*Rats rPois rN+ Str-1 Int-1
                  | Dex+1}
237441 | Zig:22   | Identified the +2 leather armour of Activism {Rampage rF-
                  | rC+ Int+2}
237794 | Zig:23   | Entered Level 23 of a ziggurat
237799 | Zig:23   | Noticed Madgh the pandemonium lord
237799 | Zig:23   | Noticed Ocyppiew the pandemonium lord
237800 | Zig:23   | Noticed Kaschisoxea the pandemonium lord
237801 | Zig:23   | Noticed Inavvolu the pandemonium lord
237801 | Zig:23   | Noticed Ometoyc Hau the pandemonium lord
237801 | Zig:23   | Noticed Ohewkoapt the pandemonium lord
237801 | Zig:23   | Noticed Jefiel the pandemonium lord
237801 | Zig:23   | Noticed Boimin the pandemonium lord
237801 | Zig:23   | Noticed Maarrin the pandemonium lord
237801 | Zig:23   | Noticed Tytutimiex the pandemonium lord
237801 | Zig:23   | Noticed Faumymp the pandemonium lord
237801 | Zig:23   | Noticed Vasee the pandemonium lord
237801 | Zig:23   | Noticed Waaguy the pandemonium lord
237801 | Zig:23   | Noticed Duchew Nigys the pandemonium lord
237801 | Zig:23   | Noticed Dili the pandemonium lord
237801 | Zig:23   | Noticed Goabap the pandemonium lord
237801 | Zig:23   | Noticed Zofineso the pandemonium lord
237801 | Zig:23   | Noticed Vihihy the pandemonium lord
237801 | Zig:23   | Noticed Etothej the pandemonium lord
237801 | Zig:23   | Noticed Vaeqan the pandemonium lord
237801 | Zig:23   | Noticed Lurruw Ruhi the pandemonium lord
237801 | Zig:23   | Noticed Moistru the pandemonium lord
237801 | Zig:23   | Noticed Sauggienn the pandemonium lord
237801 | Zig:23   | Noticed Kanit the pandemonium lord
237801 | Zig:23   | Noticed Koetu the pandemonium lord
237801 | Zig:23   | Noticed Ranlehor the pandemonium lord
237801 | Zig:23   | Noticed Equttell the pandemonium lord
237801 | Zig:23   | Noticed Feced the pandemonium lord
237801 | Zig:23   | Noticed Qygheank the pandemonium lord
237801 | Zig:23   | Noticed Abeskoaj the pandemonium lord
237801 | Zig:23   | Noticed Hiov the pandemonium lord
237801 | Zig:23   | Noticed Harghijo the pandemonium lord
237802 | Zig:23   | Noticed Dipi the pandemonium lord
237802 | Zig:23   | Noticed Joliorpho the pandemonium lord
237802 | Zig:23   | Noticed Ynidghuon the pandemonium lord
237802 | Zig:23   | Noticed Timeviurgh the pandemonium lord
237802 | Zig:23   | Noticed Unnyut the pandemonium lord
237802 | Zig:23   | Noticed Tomaif the pandemonium lord
237802 | Zig:23   | Noticed Qaddesomne the pandemonium lord
237802 | Zig:23   | Noticed Asmydwec the pandemonium lord
237802 | Zig:23   | Noticed Damah the pandemonium lord
237802 | Zig:23   | Noticed Oddu Bic the pandemonium lord
237802 | Zig:23   | Noticed Toiwoppe the pandemonium lord
237802 | Zig:23   | Noticed Plog the pandemonium lord
237802 | Zig:23   | Noticed Syanli the pandemonium lord
237802 | Zig:23   | Noticed Juoxuc the pandemonium lord
237802 | Zig:23   | Noticed Leluetuw the pandemonium lord
237802 | Zig:23   | Noticed Tuoxum the pandemonium lord
237802 | Zig:23   | Noticed Qon Ifar the pandemonium lord
237802 | Zig:23   | Noticed Tetaeng the pandemonium lord
237802 | Zig:23   | Noticed Womig the pandemonium lord
237802 | Zig:23   | Noticed Tollung the pandemonium lord
237802 | Zig:23   | Noticed Ubamuss the pandemonium lord
237802 | Zig:23   | Noticed Vubiot the pandemonium lord
237802 | Zig:23   | Noticed Immohof the pandemonium lord
237802 | Zig:23   | Noticed Fadun the pandemonium lord
237802 | Zig:23   | Noticed Zaha Takhi the pandemonium lord
237802 | Zig:23   | Noticed Dinigam the pandemonium lord
237803 | Zig:23   | Noticed Zimecyer the pandemonium lord
237804 | Zig:23   | Noticed Pobb the pandemonium lord
237804 | Zig:23   | Noticed Rufiz the pandemonium lord
237804 | Zig:23   | Noticed Ykli the pandemonium lord
237804 | Zig:23   | Noticed Fibask the pandemonium lord
237805 | Zig:23   | Noticed Ysalar the pandemonium lord
237805 | Zig:23   | Killed Kanit the pandemonium lord
237805 | Zig:23   | Noticed Kygubil the pandemonium lord
237805 | Zig:23   | Noticed Meokhey the pandemonium lord
237805 | Zig:23   | Noticed Goppijiz the pandemonium lord
237806 | Zig:23   | Noticed Puhyc the pandemonium lord
237807 | Zig:23   | Noticed Iretarel the pandemonium lord
237807 | Zig:23   | Killed Plog the pandemonium lord
237807 | Zig:23   | Noticed Rayrgh the pandemonium lord
237808 | Zig:23   | Killed Kaschisoxea the pandemonium lord
237808 | Zig:23   | Killed Womig the pandemonium lord
237808 | Zig:23   | Killed Rufiz the pandemonium lord
237808 | Zig:23   | Noticed Dodaila the pandemonium lord
237808 | Zig:23   | Killed Vasee the pandemonium lord
237808 | Zig:23   | Noticed Ishruec the pandemonium lord
237808 | Zig:23   | Killed Boimin the pandemonium lord
237808 | Zig:23   | Killed Tytutimiex the pandemonium lord
237808 | Zig:23   | Killed Waaguy the pandemonium lord
237808 | Zig:23   | Killed Equttell the pandemonium lord
237808 | Zig:23   | Killed Ykli the pandemonium lord
237808 | Zig:23   | Noticed Zet Peogh the pandemonium lord
237808 | Zig:23   | Killed Harghijo the pandemonium lord
237809 | Zig:23   | Killed Oddu Bic the pandemonium lord
237809 | Zig:23   | Killed Vihihy the pandemonium lord
237809 | Zig:23   | Killed Pobb the pandemonium lord
237809 | Zig:23   | Killed Fadun the pandemonium lord
237809 | Zig:23   | Killed Lurruw Ruhi the pandemonium lord
237809 | Zig:23   | Killed Koetu the pandemonium lord
237809 | Zig:23   | Killed Qygheank the pandemonium lord
237809 | Zig:23   | Noticed Ethuot the pandemonium lord
237809 | Zig:23   | Killed Syanli the pandemonium lord
237809 | Zig:23   | Killed Goppijiz the pandemonium lord
237809 | Zig:23   | Killed Tomaif the pandemonium lord
237809 | Zig:23   | Killed Qaddesomne the pandemonium lord
237809 | Zig:23   | Killed Juoxuc the pandemonium lord
237809 | Zig:23   | Killed Vubiot the pandemonium lord
237809 | Zig:23   | Killed Zofineso the pandemonium lord
237809 | Zig:23   | Killed Ysalar the pandemonium lord
237809 | Zig:23   | Killed Vaeqan the pandemonium lord
237809 | Zig:23   | Killed Ranlehor the pandemonium lord
237809 | Zig:23   | Killed Feced the pandemonium lord
237809 | Zig:23   | Killed Etothej the pandemonium lord
237810 | Zig:23   | Noticed Biustiwo the pandemonium lord
237810 | Zig:23   | Noticed Xaxierux the pandemonium lord
237810 | Zig:23   | Killed Toiwoppe the pandemonium lord
237810 | Zig:23   | Killed Jefiel the pandemonium lord
237810 | Zig:23   | Killed Ocyppiew the pandemonium lord
237811 | Zig:23   | Killed Unnyut the pandemonium lord
237811 | Zig:23   | Killed Leluetuw the pandemonium lord
237811 | Zig:23   | Killed Tuoxum the pandemonium lord
237811 | Zig:23   | Killed Tetaeng the pandemonium lord
237811 | Zig:23   | Killed Inavvolu the pandemonium lord
237811 | Zig:23   | Killed Immohof the pandemonium lord
237811 | Zig:23   | Killed Zaha Takhi the pandemonium lord
237811 | Zig:23   | Killed Dinigam the pandemonium lord
237811 | Zig:23   | Killed Fibask the pandemonium lord
237811 | Zig:23   | Killed Zimecyer the pandemonium lord
237811 | Zig:23   | Killed Abeskoaj the pandemonium lord
237811 | Zig:23   | Killed Timeviurgh the pandemonium lord
237811 | Zig:23   | Killed Moistru the pandemonium lord
237811 | Zig:23   | Killed Sauggienn the pandemonium lord
237811 | Zig:23   | Noticed Ruptufof the pandemonium lord
237812 | Zig:23   | Killed Joliorpho the pandemonium lord
237812 | Zig:23   | Killed Hiov the pandemonium lord
237812 | Zig:23   | Killed Dili the pandemonium lord
237812 | Zig:23   | Killed Duchew Nigys the pandemonium lord
237812 | Zig:23   | Noticed Liagagapt the pandemonium lord
237812 | Zig:23   | Noticed Liamiet the pandemonium lord
237812 | Zig:23   | Noticed Opahul the pandemonium lord
237812 | Zig:23   | Noticed Bosifee the pandemonium lord
237812 | Zig:23   | HP: 3/199 [Maarrin the pandemonium lord (19)]
237813 | Zig:23   | Killed Tollung the pandemonium lord
237813 | Zig:23   | Killed Maarrin the pandemonium lord
237813 | Zig:23   | Killed Damah the pandemonium lord
237813 | Zig:23   | Killed Ubamuss the pandemonium lord
237814 | Zig:23   | Killed Qon Ifar the pandemonium lord
237814 | Zig:23   | Killed Kygubil the pandemonium lord
237814 | Zig:23   | Killed Asmydwec the pandemonium lord
237814 | Zig:23   | Killed Ometoyc Hau the pandemonium lord
237814 | Zig:23   | Killed Ynidghuon the pandemonium lord
237814 | Zig:23   | Killed Iretarel the pandemonium lord
237814 | Zig:23   | Noticed Gaastra the pandemonium lord
237814 | Zig:23   | Noticed Vamurghaum the pandemonium lord
237814 | Zig:23   | Noticed Ewubaev the pandemonium lord
237815 | Zig:23   | Killed Xaxierux the pandemonium lord
237815 | Zig:23   | Noticed Iwkug the pandemonium lord
237815 | Zig:23   | Noticed Ilomeim the pandemonium lord
237815 | Zig:23   | Noticed Cirofub the pandemonium lord
237815 | Zig:23   | Gained mutation: You are mostly covered in large bone
                  | plates. (SH +6) [mutagenic glow]
237816 | Zig:23   | Noticed Jyred the pandemonium lord
237816 | Zig:23   | Noticed Tuvim the pandemonium lord
237816 | Zig:23   | Annihilated by Dodaila the pandemonium lord (30 damage)
237817 | Zig:23   | Noticed Sad Nideu the pandemonium lord
237817 | Zig:23   | Noticed Zosoceurir the pandemonium lord
237817 | Zig:23   | Noticed Joje the pandemonium lord
237817 | Zig:23   | Noticed Peury Rihiy the pandemonium lord
237817 | Zig:23   | Noticed Haanan the pandemonium lord
237821 | Zig:23   | Noticed Watideha the pandemonium lord
237821 | Zig:23   | Killed Goabap the pandemonium lord
237821 | Zig:23   | Killed Ethuot the pandemonium lord
237821 | Zig:23   | Killed Zet Peogh the pandemonium lord
237822 | Zig:23   | Noticed Zaagh the pandemonium lord
237822 | Zig:23   | Noticed Hoynor the pandemonium lord
237823 | Zig:23   | Killed Dipi the pandemonium lord
237823 | Zig:23   | Noticed Podusuw the pandemonium lord
237824 | Zig:23   | Noticed Qasetex the pandemonium lord
237825 | Zig:23   | Killed Puhyc the pandemonium lord
237825 | Zig:23   | Slain by Dodaila the pandemonium lord (25 damage)
237825 | Zig:23   | Noticed Woutto the pandemonium lord
237826 | Zig:23   | Killed Cirofub the pandemonium lord
237826 | Zig:23   | Killed Liagagapt the pandemonium lord
237826 | Zig:23   | Killed Biustiwo the pandemonium lord
237826 | Zig:23   | Noticed Ydid the pandemonium lord
237826 | Zig:23   | Killed Haanan the pandemonium lord
237826 | Zig:23   | Noticed Kuzxyh the pandemonium lord
237828 | Zig:23   | Killed Ishruec the pandemonium lord
237829 | Zig:23   | Killed Liamiet the pandemonium lord
237829 | Zig:23   | Killed Iwkug the pandemonium lord
237829 | Zig:23   | Killed Gaastra the pandemonium lord
237829 | Zig:23   | Killed Meokhey the pandemonium lord
237829 | Zig:23   | Noticed Hoamanib the pandemonium lord
237830 | Zig:23   | Killed Bosifee the pandemonium lord
237830 | Zig:23   | Killed Peury Rihiy the pandemonium lord
237830 | Zig:23   | Killed Podusuw the pandemonium lord
237830 | Zig:23   | Killed Jyred the pandemonium lord
237830 | Zig:23   | Killed Faumymp the pandemonium lord
237830 | Zig:23   | Noticed Ito Ywuefeph the pandemonium lord
237831 | Zig:23   | Killed Dodaila the pandemonium lord
237831 | Zig:23   | Noticed Xiam Xouryc the pandemonium lord
237833 | Zig:23   | Noticed Gyank the pandemonium lord
237833 | Zig:23   | Killed Zosoceurir the pandemonium lord
237833 | Zig:23   | Killed Kuzxyh the pandemonium lord
237834 | Zig:23   | Killed Qasetex the pandemonium lord
237834 | Zig:23   | Noticed Kioxt the pandemonium lord
237836 | Zig:23   | Mangled by Madgh the pandemonium lord (20 damage)
237836 | Zig:23   | Noticed Gietikk the pandemonium lord
237838 | Zig:23   | Killed Rayrgh the pandemonium lord
237841 | Zig:23   | Killed Sad Nideu the pandemonium lord
237841 | Zig:23   | Killed Hoynor the pandemonium lord
237841 | Zig:23   | Killed Vamurghaum the pandemonium lord
237841 | Zig:23   | Killed Woutto the pandemonium lord
237842 | Zig:23   | Noticed Hyirphir the pandemonium lord
237843 | Zig:23   | Noticed Keocwite the pandemonium lord
237844 | Zig:23   | Killed Tuvim the pandemonium lord
237844 | Zig:23   | Killed Ruptufof the pandemonium lord
237844 | Zig:23   | Killed Ilomeim the pandemonium lord
237844 | Zig:23   | Killed Madgh the pandemonium lord
237845 | Zig:23   | Killed Zaagh the pandemonium lord
237845 | Zig:23   | Killed Ydid the pandemonium lord
237848 | Zig:23   | Killed Xiam Xouryc the pandemonium lord
237848 | Zig:23   | Killed Joje the pandemonium lord
237848 | Zig:23   | Killed Ewubaev the pandemonium lord
237848 | Zig:23   | Noticed Zautuc the pandemonium lord
237849 | Zig:23   | Killed Kioxt the pandemonium lord
237849 | Zig:23   | Noticed Ypoarch the pandemonium lord
237849 | Zig:23   | Noticed Rics the pandemonium lord
237850 | Zig:23   | Killed Gyank the pandemonium lord
237850 | Zig:23   | Noticed Mofuiv the pandemonium lord
237851 | Zig:23   | Killed Hyirphir the pandemonium lord
237851 | Zig:23   | Killed Keocwite the pandemonium lord
237851 | Zig:23   | Killed Ohewkoapt the pandemonium lord
237851 | Zig:23   | Killed Hoamanib the pandemonium lord
237854 | Zig:23   | Killed Opahul the pandemonium lord
237856 | Zig:23   | Noticed Paim the pandemonium lord
237856 | Zig:23   | Killed Rics the pandemonium lord
237857 | Zig:23   | Killed Watideha the pandemonium lord
237858 | Zig:23   | Noticed Igiduasch the pandemonium lord
237858 | Zig:23   | Killed Zautuc the pandemonium lord
237858 | Zig:23   | Killed Mofuiv the pandemonium lord
237858 | Zig:23   | Killed Gietikk the pandemonium lord
237858 | Zig:23   | Killed Ito Ywuefeph the pandemonium lord
237860 | Zig:23   | Killed Ypoarch the pandemonium lord
237860 | Zig:23   | Noticed Tuojaott the pandemonium lord
237860 | Zig:23   | Noticed Xatsiteh the pandemonium lord
237862 | Zig:23   | Noticed Ufrisseo the pandemonium lord
237863 | Zig:23   | Noticed Kisu the pandemonium lord
237863 | Zig:23   | Noticed Testruidd the pandemonium lord
237864 | Zig:23   | Killed from afar by Tuojaott the pandemonium lord (40
                  | damage)
                  | ... with a lance of force
237876 | Zig:23   | Killed Tuojaott the pandemonium lord
237877 | Zig:23   | Killed Paim the pandemonium lord
237881 | Zig:23   | Killed Testruidd the pandemonium lord
237886 | Zig:23   | Killed Xatsiteh the pandemonium lord
237886 | Zig:23   | Killed Ufrisseo the pandemonium lord
237891 | Zig:23   | Killed Igiduasch the pandemonium lord
237891 | Zig:23   | Killed Kisu the pandemonium lord
238070 | Zig:23   | Identified the +3 war axe of Boeptix {vamp, rPois rF+ rC+
                  | rN+}
238071 | Zig:23   | Identified the staff of earth "Viffo" {rN+ Will+}
238075 | Zig:23   | Identified the +8 battleaxe of Resourcefulness {flame,
                  | Dex+4}
238077 | Zig:23   | Identified the +0 plate armour of Reason {rF+ Will+}
238085 | Zig:23   | Identified the amulet "Ymevo" {Spirit Regen+ rCorr Str-5
                  | Slay+2}
238086 | Zig:23   | Identified the +5 ring mail of the Game of Kings {Fly
                  | Str+2}
238087 | Zig:23   | Identified the staff of conjuration "Vaxahiw" {Dex+3}
238088 | Zig:23   | Identified the +0 robe of Tuarav {+Blink Str+3 Int+3 Dex-2}
238089 | Zig:23   | Identified the amulet "Jonkeigg" {Acrobat Str-3 Int+4
                  | Slay+2 SInv}
238105 | Zig:23   | Identified the amulet "Lemur" {rC+ Regen+ Dex+2}
238145 | Zig:24   | Entered Level 24 of a ziggurat
238170 | Zig:24   | Paralysed by a floating eye for 3 turns
238454 | Zig:24   | Identified the ring "Iwuuppuwn" {Will+ Int+2 Dex+3}
238455 | Zig:24   | Identified the +0 ring mail of Pan-Flutes {rCorr Str+3
                  | Stlth+}
238462 | Zig:24   | Identified the ring "Jasuor" {Ice rElec rCorr MP-9 Str+7}
238467 | Zig:24   | Identified the staff of air "Bysuxt" {Fly rElec Str+3 Int+2
                  | Dex-5 Stlth+}
238471 | Zig:24   | Identified the staff of air "Citsot" {rElec rF+ Int+4
                  | Dex+3}
238477 | Zig:24   | Identified the amulet "Ilaphyas" {Regen+ Dex+6}
238478 | Zig:24   | Identified the +9 great sword of Inconvenience {flame, rC+
                  | Dex+2}
238494 | Zig:24   | Identified the +4 spear "Tehoc" {drain, rC+ Will+}
238499 | Zig:24   | Identified the +6 scale mail "Earthly Heaven" {Harm rC-
                  | Will+}
238557 | Zig:25   | Entered Level 25 of a ziggurat
238562 | Zig:25   | Noticed Buafefuk the pandemonium lord
238563 | Zig:25   | Noticed Kedit the pandemonium lord
238563 | Zig:25   | Noticed Wuil the pandemonium lord
238564 | Zig:25   | Noticed Roisil the pandemonium lord
238564 | Zig:25   | Noticed Pyikusix the pandemonium lord
238564 | Zig:25   | Noticed Lose the pandemonium lord
238565 | Zig:25   | Noticed Juingoej the pandemonium lord
238565 | Zig:25   | Noticed Dierynna the pandemonium lord
238565 | Zig:25   | Noticed Ufehonue the pandemonium lord
238565 | Zig:25   | Noticed Noot the pandemonium lord
238565 | Zig:25   | Noticed Vurph the pandemonium lord
238565 | Zig:25   | Noticed Ugiranoc the pandemonium lord
238565 | Zig:25   | Noticed Jutzi the pandemonium lord
238565 | Zig:25   | Noticed Xafinoha the pandemonium lord
238565 | Zig:25   | Noticed Emniet the pandemonium lord
238565 | Zig:25   | Noticed Xyutud the pandemonium lord
238565 | Zig:25   | Noticed Umpoasm the pandemonium lord
238565 | Zig:25   | Noticed Ydirrex the pandemonium lord
238565 | Zig:25   | Noticed Alugg the pandemonium lord
238565 | Zig:25   | Noticed Ubomoav the pandemonium lord
238565 | Zig:25   | Noticed Oram the pandemonium lord
238565 | Zig:25   | Noticed Ympu Pyo the pandemonium lord
238565 | Zig:25   | Noticed Zuvonuj the pandemonium lord
238565 | Zig:25   | Noticed Atsaid the pandemonium lord
238565 | Zig:25   | Noticed Wimued the pandemonium lord
238565 | Zig:25   | Noticed Pebitwoxt the pandemonium lord
238565 | Zig:25   | Noticed Maufan the pandemonium lord
238565 | Zig:25   | Noticed Fifesch the pandemonium lord
238565 | Zig:25   | Noticed Etehio the pandemonium lord
238566 | Zig:25   | Noticed Cupn the pandemonium lord
238566 | Zig:25   | Noticed Giafeo the pandemonium lord
238566 | Zig:25   | Noticed Pucharuisi the pandemonium lord
238566 | Zig:25   | Noticed Ivuy the pandemonium lord
238566 | Zig:25   | Noticed Ruakkudd the pandemonium lord
238566 | Zig:25   | Noticed Nyusy the pandemonium lord
238566 | Zig:25   | Noticed Uciazed the pandemonium lord
238566 | Zig:25   | Noticed Xiwunk the pandemonium lord
238566 | Zig:25   | Noticed Watirhop the pandemonium lord
238566 | Zig:25   | Noticed Umavir the pandemonium lord
238566 | Zig:25   | Noticed Bottafopt the pandemonium lord
238566 | Zig:25   | Noticed Humakepn the pandemonium lord
238566 | Zig:25   | Noticed Gorherom the pandemonium lord
238566 | Zig:25   | Noticed Dinymp the pandemonium lord
238566 | Zig:25   | Noticed Fiadafoe the pandemonium lord
238566 | Zig:25   | Noticed Waige the pandemonium lord
238566 | Zig:25   | Noticed Geun the pandemonium lord
238566 | Zig:25   | Noticed Fiuzoo the pandemonium lord
238566 | Zig:25   | Noticed Zuimudie the pandemonium lord
238566 | Zig:25   | Noticed Kiomoica the pandemonium lord
238566 | Zig:25   | Noticed Liuneed the pandemonium lord
238566 | Zig:25   | Noticed Aduep the pandemonium lord
238566 | Zig:25   | Noticed Xerhez the pandemonium lord
238566 | Zig:25   | Noticed Haduga Seis the pandemonium lord
238566 | Zig:25   | Noticed Amerunil the pandemonium lord
238566 | Zig:25   | Noticed Oluom the pandemonium lord
238566 | Zig:25   | Noticed Hiytap Hesu the pandemonium lord
238566 | Zig:25   | Noticed Vesahid the pandemonium lord
238566 | Zig:25   | Noticed Gexzy the pandemonium lord
238566 | Zig:25   | Noticed Ynwikoar the pandemonium lord
238566 | Zig:25   | Noticed Zoun the pandemonium lord
238567 | Zig:25   | Noticed Wypel the pandemonium lord
238567 | Zig:25   | Noticed Icaemirgh the pandemonium lord
238568 | Zig:25   | Noticed Kaamaopaerr the pandemonium lord
238568 | Zig:25   | Killed Etehio the pandemonium lord
238569 | Zig:25   | Killed Fifesch the pandemonium lord
238569 | Zig:25   | Killed Alugg the pandemonium lord
238570 | Zig:25   | Killed Atsaid the pandemonium lord
238570 | Zig:25   | Killed Icaemirgh the pandemonium lord
238570 | Zig:25   | Killed Ubomoav the pandemonium lord
238571 | Zig:25   | Killed Ivuy the pandemonium lord
238571 | Zig:25   | Killed Noot the pandemonium lord
238572 | Zig:25   | Noticed Onid the pandemonium lord
238572 | Zig:25   | Killed Vurph the pandemonium lord
238572 | Zig:25   | Killed Amerunil the pandemonium lord
238573 | Zig:25   | Killed Jutzi the pandemonium lord
238573 | Zig:25   | Killed Vesahid the pandemonium lord
238574 | Zig:25   | Killed Hiytap Hesu the pandemonium lord
238574 | Zig:25   | Killed Oluom the pandemonium lord
238575 | Zig:25   | Killed Kaewiamm the pandemonium lord
238575 | Zig:25   | Killed Cupn the pandemonium lord
238576 | Zig:25   | Killed Xafinoha the pandemonium lord
238576 | Zig:25   | Killed Umpoasm the pandemonium lord
238576 | Zig:25   | Killed Uciazed the pandemonium lord
238576 | Zig:25   | Killed Watirhop the pandemonium lord
238576 | Zig:25   | Killed Lose the pandemonium lord
238577 | Zig:25   | Killed Gorherom the pandemonium lord
238577 | Zig:25   | Killed Kiomoica the pandemonium lord
238577 | Zig:25   | Killed Maufan the pandemonium lord
238577 | Zig:25   | Killed Dinymp the pandemonium lord
238577 | Zig:25   | Killed Pyikusix the pandemonium lord
238577 | Zig:25   | Killed Haduga Seis the pandemonium lord
238577 | Zig:25   | Killed Ympu Pyo the pandemonium lord
238577 | Zig:25   | Killed Zuimudie the pandemonium lord
238577 | Zig:25   | Killed Bottafopt the pandemonium lord
238577 | Zig:25   | Killed Kedit the pandemonium lord
238577 | Zig:25   | Killed Wimued the pandemonium lord
238577 | Zig:25   | Killed Dierynna the pandemonium lord
238577 | Zig:25   | Killed Pucharuisi the pandemonium lord
238577 | Zig:25   | Killed Xyutud the pandemonium lord
238578 | Zig:25   | Killed Buafefuk the pandemonium lord
238578 | Zig:25   | Killed Aduep the pandemonium lord
238578 | Zig:25   | Killed Xiwunk the pandemonium lord
238578 | Zig:25   | Killed Ufehonue the pandemonium lord
238578 | Zig:25   | Killed Ydirrex the pandemonium lord
238578 | Zig:25   | Killed Emniet the pandemonium lord
238578 | Zig:25   | Killed Roisil the pandemonium lord
238578 | Zig:25   | Killed Xerhez the pandemonium lord
238578 | Zig:25   | Killed Juingoej the pandemonium lord
238578 | Zig:25   | Killed Ruakkudd the pandemonium lord
238578 | Zig:25   | Killed Onid the pandemonium lord
238578 | Zig:25   | Killed Humakepn the pandemonium lord
238578 | Zig:25   | Noticed Dugiolei the pandemonium lord
238579 | Zig:25   | Killed Gexzy the pandemonium lord
238579 | Zig:25   | Killed Liuneed the pandemonium lord
238579 | Zig:25   | Killed Zuvonuj the pandemonium lord
238579 | Zig:25   | Noticed Ohuffio the pandemonium lord
238580 | Zig:25   | Killed Wuil the pandemonium lord
238580 | Zig:25   | Killed Giafeo the pandemonium lord
238581 | Zig:25   | Killed Kaamaopaerr the pandemonium lord
238581 | Zig:25   | Killed Wypel the pandemonium lord
238581 | Zig:25   | Killed Fiadafoe the pandemonium lord
238581 | Zig:25   | Noticed Deqaimej the pandemonium lord
238581 | Zig:25   | Killed Oram the pandemonium lord
238582 | Zig:25   | Killed Waige the pandemonium lord
238582 | Zig:25   | Noticed Araazxen the pandemonium lord
238583 | Zig:25   | Killed Pebitwoxt the pandemonium lord
238583 | Zig:25   | Noticed Suitt the pandemonium lord
238584 | Zig:25   | Killed Ynwikoar the pandemonium lord
238585 | Zig:25   | Killed Zoun the pandemonium lord
238585 | Zig:25   | Killed Nyusy the pandemonium lord
238589 | Zig:25   | Killed Ugiranoc the pandemonium lord
238589 | Zig:25   | Noticed Paggouh the pandemonium lord
238590 | Zig:25   | Killed Fiuzoo the pandemonium lord
238590 | Zig:25   | Noticed Liciem the pandemonium lord
238590 | Zig:25   | Killed Umavir the pandemonium lord
238590 | Zig:25   | Killed Ohuffio the pandemonium lord
238591 | Zig:25   | Killed Dugiolei the pandemonium lord
238591 | Zig:25   | Killed Deqaimej the pandemonium lord
238591 | Zig:25   | Noticed Ytialutworgh the pandemonium lord
238591 | Zig:25   | Noticed Vaked the pandemonium lord
238592 | Zig:25   | Noticed Uxexekk the pandemonium lord
238593 | Zig:25   | Noticed Acua the pandemonium lord
238594 | Zig:25   | Noticed Maysup the pandemonium lord
238594 | Zig:25   | Noticed Hueh the pandemonium lord
238596 | Zig:25   | Noticed Okeidd the pandemonium lord
238596 | Zig:25   | Killed Geun the pandemonium lord
238597 | Zig:25   | Noticed Kaabiek the pandemonium lord
238597 | Zig:25   | Killed Liciem the pandemonium lord
238597 | Zig:25   | Noticed Eziawiklis the pandemonium lord
238597 | Zig:25   | Noticed Toul the pandemonium lord
238599 | Zig:25   | Noticed Vealodue the pandemonium lord
238599 | Zig:25   | Noticed Furchiane the pandemonium lord
238600 | Zig:25   | Noticed Awuuj the pandemonium lord
238600 | Zig:25   | Noticed Ecwaevyh the pandemonium lord
238601 | Zig:25   | Killed Suitt the pandemonium lord
238603 | Zig:25   | Killed Araazxen the pandemonium lord
238604 | Zig:25   | Killed Toul the pandemonium lord
238604 | Zig:25   | Killed Uxexekk the pandemonium lord
238604 | Zig:25   | Killed Ytialutworgh the pandemonium lord
238604 | Zig:25   | Killed Kaabiek the pandemonium lord
238604 | Zig:25   | Killed Vealodue the pandemonium lord
238604 | Zig:25   | Noticed Cecotum the pandemonium lord
238604 | Zig:25   | Noticed Qoall the pandemonium lord
238604 | Zig:25   | Noticed Dimmadgh the pandemonium lord
238605 | Zig:25   | Killed Awuuj the pandemonium lord
238605 | Zig:25   | Killed Furchiane the pandemonium lord
238605 | Zig:25   | Killed Eziawiklis the pandemonium lord
238605 | Zig:25   | Noticed Ekobipef the pandemonium lord
238605 | Zig:25   | Noticed Adoer the pandemonium lord
238606 | Zig:25   | Noticed Rekiarare the pandemonium lord
238606 | Zig:25   | Noticed Ritwedur the pandemonium lord
238607 | Zig:25   | Killed Vaked the pandemonium lord
238607 | Zig:25   | Noticed Juqege Tyni the pandemonium lord
238608 | Zig:25   | Noticed Mishofubb the pandemonium lord
238608 | Zig:25   | Noticed Laggavo the pandemonium lord
238609 | Zig:25   | Noticed Filigee the pandemonium lord
238609 | Zig:25   | Noticed Qobiogh the pandemonium lord
238609 | Zig:25   | Noticed Lulaiho the pandemonium lord
238610 | Zig:25   | Killed Acua the pandemonium lord
238611 | Zig:25   | Noticed Voqip the pandemonium lord
238611 | Zig:25   | Noticed Kosirul the pandemonium lord
238611 | Zig:25   | Noticed Vinuisiu the pandemonium lord
238612 | Zig:25   | Noticed Wuasm the pandemonium lord
238613 | Zig:25   | Noticed Vepupp the pandemonium lord
238613 | Zig:25   | Killed Kosirul the pandemonium lord
238614 | Zig:25   | HP: 6/199 [Rekiarare the pandemonium lord (10)]
238615 | Zig:25   | Noticed Coxt the pandemonium lord
238615 | Zig:25   | Noticed Rinnu the pandemonium lord
238615 | Zig:25   | Noticed Uxituf the pandemonium lord
238620 | Zig:25   | Noticed Moutij the pandemonium lord
238621 | Zig:25   | Killed Laggavo the pandemonium lord
238621 | Zig:25   | Killed Ecwaevyh the pandemonium lord
238621 | Zig:25   | Killed Qoall the pandemonium lord
238622 | Zig:25   | HP: 1/199 [spore (8)]
238622 | Zig:25   | Noticed Lifiuw the pandemonium lord
238623 | Zig:25   | Noticed Fipuom the pandemonium lord
238625 | Zig:25   | Noticed Zyvi the pandemonium lord
238626 | Zig:25   | Noticed Xaelaene the pandemonium lord
238628 | Zig:25   | Killed Ritwedur the pandemonium lord
238629 | Zig:25   | Killed Dimmadgh the pandemonium lord
238629 | Zig:25   | Killed Ekobipef the pandemonium lord
238629 | Zig:25   | Killed by an exploding ball lightning (13 damage)
238629 | Zig:25   | Killed Maysup the pandemonium lord
238629 | Zig:25   | Noticed Wontyq the pandemonium lord
238630 | Zig:25   | Noticed Keire the pandemonium lord
238630 | Zig:25   | Noticed Zuaro the pandemonium lord
238631 | Zig:25   | Killed Adoer the pandemonium lord
238631 | Zig:25   | Noticed Zeddu the pandemonium lord
238632 | Zig:25   | Killed Wuasm the pandemonium lord
238632 | Zig:25   | Killed Juqege Tyni the pandemonium lord
238633 | Zig:25   | Killed Lulaiho the pandemonium lord
238638 | Zig:25   | Noticed Xosh the pandemonium lord
238639 | Zig:25   | Noticed Fuepn the pandemonium lord
238640 | Zig:25   | Killed Vepupp the pandemonium lord
238640 | Zig:25   | Killed Hueh the pandemonium lord
238646 | Zig:25   | Killed Paggouh the pandemonium lord
238646 | Zig:25   | Killed Filigee the pandemonium lord
238646 | Zig:25   | Killed Qobiogh the pandemonium lord
238647 | Zig:25   | Killed Moutij the pandemonium lord
238647 | Zig:25   | Killed Xaelaene the pandemonium lord
238648 | Zig:25   | Killed Vinuisiu the pandemonium lord
238651 | Zig:25   | Killed Okeidd the pandemonium lord
238653 | Zig:25   | Noticed Moeteadgh the pandemonium lord
238654 | Zig:25   | Noticed Deos the pandemonium lord
238655 | Zig:25   | Killed Mishofubb the pandemonium lord
238655 | Zig:25   | Killed from afar by Fipuom the pandemonium lord (58 damage)
                  | ... with a bolt of cold
238658 | Zig:25   | Noticed Noul the pandemonium lord
238661 | Zig:25   | Noticed Axkiaff the pandemonium lord
238664 | Zig:25   | Killed Wontyq the pandemonium lord
238664 | Zig:25   | Killed Moeteadgh the pandemonium lord
238674 | Zig:25   | Noticed Qeoruder the pandemonium lord
238676 | Zig:25   | Noticed Ydof the pandemonium lord
238680 | Zig:25   | Mangled by Xosh the pandemonium lord (18 damage)
238683 | Zig:25   | Killed Cecotum the pandemonium lord
238685 | Zig:25   | Noticed Erghewkilo the pandemonium lord
238686 | Zig:25   | Killed Zuaro the pandemonium lord
238686 | Zig:25   | Noticed Pan Xomix the pandemonium lord
238687 | Zig:25   | Noticed Daleys the pandemonium lord
238689 | Zig:25   | Killed Lifiuw the pandemonium lord
238692 | Zig:25   | Noticed Givoadunt the pandemonium lord
238695 | Zig:25   | Mangled by Axkiaff the pandemonium lord (30 damage)
238697 | Zig:25   | Noticed Ceop the pandemonium lord
238697 | Zig:25   | Killed Rekiarare the pandemonium lord
238703 | Zig:25   | Noticed Esorghej the pandemonium lord
238703 | Zig:25   | Noticed Xeocepto the pandemonium lord
238719 | Zig:25   | Noticed Niogius the pandemonium lord
238721 | Zig:25   | Killed Axkiaff the pandemonium lord
238726 | Zig:25   | HP: 9/199 [Uxituf the pandemonium lord/bolt of acid (3)]
238727 | Zig:25   | Noticed Uxonics the pandemonium lord
238730 | Zig:25   | Killed from afar by Qeoruder the pandemonium lord (26
                  | damage)
                  | ... with a lance of force
238736 | Zig:25   | Killed Xosh the pandemonium lord
238737 | Zig:25   | Noticed Suos Xin the pandemonium lord
238739 | Zig:25   | Killed Coxt the pandemonium lord
238743 | Zig:25   | Killed Rinnu the pandemonium lord
238744 | Zig:25   | Noticed Tysaim the pandemonium lord
238748 | Zig:25   | Noticed Zuyzu the pandemonium lord
238749 | Zig:25   | Noticed Nun Uton the pandemonium lord
238751 | Zig:25   | Noticed Maykun Kihi the pandemonium lord
238755 | Zig:25   | Blown up by Givoadunt the pandemonium lord (34 damage)
                  | ... with a bolt of energy
238757 | Zig:25   | Noticed Jurraf the pandemonium lord
238772 | Zig:25   | Killed Voqip the pandemonium lord
238774 | Zig:25   | Noticed Egaab the pandemonium lord
238775 | Zig:25   | Killed Noul the pandemonium lord
238776 | Zig:25   | HP: 8/199 [Ceop the pandemonium lord (20)]
238776 | Zig:25   | Killed by divine providence
                  | ... invoked by a smoke demon
                  | ... summoned by Ydof
                  | (12 damage)
238779 | Zig:25   | Noticed Waufak the pandemonium lord
238783 | Zig:25   | Noticed Biyrphoupt the pandemonium lord
238789 | Zig:25   | Killed Deos the pandemonium lord
238792 | Zig:25   | Slain by Esorghej the pandemonium lord (18 damage)
238793 | Zig:25   | Killed Qeoruder the pandemonium lord
238793 | Zig:25   | Noticed Xammymih the pandemonium lord
238793 | Zig:25   | Noticed Segamm the pandemonium lord
238800 | Zig:25   | Killed Ceop the pandemonium lord
238801 | Zig:25   | Slain by Esorghej the pandemonium lord (15 damage)
238804 | Zig:25   | Noticed Cynejona the pandemonium lord
238805 | Zig:25   | Paralysed by a floating eye for 4 turns
238808 | Zig:25   | Noticed Fasiupif the pandemonium lord
238814 | Zig:25   | Paralysed by a floating eye for 4 turns
238815 | Zig:25   | HP: 2/199 [Biyrphoupt the pandemonium lord (17)]
238816 | Zig:25   | Demolished by Zeddu the pandemonium lord (19 damage)
                  | ... while paralysed by a floating eye
238827 | Zig:25   | Killed Keire the pandemonium lord
238836 | Zig:25   | Killed Esorghej the pandemonium lord
238841 | Zig:25   | HP: 9/199 [Suos Xin the pandemonium lord/bolt of acid (16)]
238842 | Zig:25   | Killed Zeddu the pandemonium lord
238848 | Zig:25   | HP: 2/199 [Suos Xin the pandemonium lord/bolt of acid (7)]
238848 | Zig:25   | Mangled by Fuepn the pandemonium lord (13 damage)
238856 | Zig:25   | Killed Fuepn the pandemonium lord
238860 | Zig:25   | Killed Suos Xin the pandemonium lord
238867 | Zig:25   | Paralysed by you for 5 turns
238868 | Zig:25   | Killed Xeocepto the pandemonium lord
238869 | Zig:25   | HP: 9/199 [Jurraf the pandemonium lord/lance of force (22)]
238869 | Zig:25   | Collided with Zuyzu (13 damage)
                  | ... caused by Jurraf the pandemonium lord
                  | ... while paralysed by you
238879 | Zig:25   | Killed Biyrphoupt the pandemonium lord
238886 | Zig:25   | Killed Zuyzu the pandemonium lord
238890 | Zig:25   | Killed Egaab the pandemonium lord
238892 | Zig:25   | Killed Jurraf the pandemonium lord
238897 | Zig:25   | Noticed Qaj Ziev the pandemonium lord
238902 | Zig:25   | Killed Xammymih the pandemonium lord
238907 | Zig:25   | Killed Maykun Kihi the pandemonium lord
238917 | Zig:25   | Killed from afar by Qaj Ziev the pandemonium lord (42
                  | damage)
                  | ... with a bolt of cold
238917 | Zig:25   | Noticed Xuttann the pandemonium lord
238918 | Zig:25   | Killed Cynejona the pandemonium lord
238919 | Zig:25   | Killed Qaj Ziev the pandemonium lord
238928 | Zig:25   | Noticed Xusin the pandemonium lord
238930 | Zig:25   | Killed Fasiupif the pandemonium lord
238932 | Zig:25   | Paralysed by you for 4 turns
238932 | Zig:25   | Noticed Valumar the pandemonium lord
238936 | Zig:25   | Noticed Iwerocs the pandemonium lord
238936 | Zig:25   | Killed Tysaim the pandemonium lord
238944 | Zig:25   | Killed Fipuom the pandemonium lord
238946 | Zig:25   | Killed from afar by a Hell Sentinel (50 damage)
                  | ... with damnation
238946 | Zig:25   | Killed Segamm the pandemonium lord
238948 | Zig:25   | Killed Ydof the pandemonium lord
238949 | Zig:25   | Killed Valumar the pandemonium lord
238949 | Zig:25   | Killed Daleys the pandemonium lord
238949 | Zig:25   | Killed Pan Xomix the pandemonium lord
238950 | Zig:25   | Killed Nun Uton the pandemonium lord
238950 | Zig:25   | Killed Erghewkilo the pandemonium lord
238951 | Zig:25   | Killed Uxituf the pandemonium lord
238951 | Zig:25   | Killed Uxonics the pandemonium lord
238953 | Zig:25   | Killed Xusin the pandemonium lord
238953 | Zig:25   | Killed Waufak the pandemonium lord
238954 | Zig:25   | Killed Zyvi the pandemonium lord
238956 | Zig:25   | Killed Givoadunt the pandemonium lord
238957 | Zig:25   | Killed Iwerocs the pandemonium lord
238967 | Zig:25   | Killed Niogius the pandemonium lord
238967 | Zig:25   | a golden dragon changed into a juggernaut
238967 | Zig:25   | Noticed a juggernaut (glowing shapeshifter)
238968 | Zig:25   | Killed Xuttann the pandemonium lord
238971 | Zig:25   | a juggernaut changed into a titan
239319 | Zig:25   | Identified the +3 scale mail "Gaulag" {rF+ Str+3 Stlth+}
239328 | Zig:25   | Identified the ring "Foyssurgh" {Contam Will+ Str+6 Int+6
                  | Dex+3}
239343 | Zig:25   | Identified the ring of Wefaa {rElec rN+ Int+4}
239347 | Zig:25   | Identified the amulet of Birdsong {rC+ Will+ Regen+ SInv}
239351 | Zig:25   | Identified the staff of death "Kuaxotom" {rElec rN+ Int+3
                  | Stlth+}
239399 | Zig:26   | Entered Level 26 of a ziggurat
239436 | Zig:26   | Killed by divine providence
                  | ... invoked by a deep elf high priest
                  | (16 damage)
239505 | Zig:26   | Identified the +6 plate armour "Bufoyj" {Contam Str+4
                  | Slay+6}
239511 | Zig:26   | Identified the +6 giant spiked club "Migonn" {freeze, Str+4
                  | Dex-3}
239844 | Zig:26   | Identified the +5 quarterstaff "Ymerhase" {freeze, Str-2
                  | Int+5}
239872 | Zig:26   | Identified the +1 flail of Calamity {flame, Int+3 Dex+4
                  | Stlth-}
239876 | Zig:26   | Identified the ring of Free Will {Ice +Blink rElec Int-3
                  | Stlth+}
239924 | Zig:26   | Identified the ring "Geduom Zeghe" {Wiz rPois rF+ rC+}
239937 | Zig:27   | Entered Level 27 of a ziggurat
240006 | Zig:27   | Identified the +8 flail of the Spectre {flame, rN+ Will++
                  | MP-9 Str-2 Stlth+}
240212 | Zig:27   | Identified the +2 dagger "Obuc" {speed, Dex+5}
240215 | Zig:27   | Identified the +4 battleaxe of the Riding Gods {flame,
                  | rPois rC++ rCorr Int+3}
240226 | Zig:27   | Identified the +1 ring mail of a treasure trove {+Inv rPois
                  | rF- Str-3}
240250 | Zig:27   | Identified the +3 quarterstaff of the Head {freeze, Dex+4
                  | SInv}
240251 | Zig:27   | Identified the +0 robe of Good Intentions {Archmagi}
240268 | Zig:27   | Identified the ring "Zitt" {rC+ rN++}
240284 | Zig:27   | Identified the staff of fire "Ineosaid" {rF+ rN+ Str+4}
240285 | Zig:27   | Identified the ring of Soan {Fire rElec Str+5 Dex-2}
240304 | Zig:27   | Identified the amulet "Iqoem" {Spirit Harm rF++}
240319 | Zig:27   | Identified the ring "Toyki" {+Blink rPois rF- rCorr}
240334 | Zig:27   | Learned a level 2 spell: Blink
240420 | Zig:1    | Entered Level 1 of a ziggurat
240442 | Zig:2    | Entered Level 2 of a ziggurat
240442 | Zig:2    | Noticed a dread lich
240442 | Zig:2    | Noticed a dread lich
240443 | Zig:2    | Noticed an ancient lich
240444 | Zig:2    | Noticed an ancient lich
240451 | Zig:2    | Killed a dread lich
240457 | Zig:2    | Killed an ancient lich
240459 | Zig:2    | Killed a dread lich
240468 | Zig:2    | Killed an ancient lich
240569 | Zig:2    | Identified the +11 long sword of Attainder {flame, Int+4}
240591 | Zig:2    | Identified the ring "Leileb" {Wiz +Blink rC+ rN++ Str-4}
240614 | Zig:3    | Entered Level 3 of a ziggurat
240618 | Zig:3    | Noticed Ihudol the pandemonium lord
240637 | Zig:3    | Killed Ihudol the pandemonium lord
241002 | Zig:3    | Identified the ring of the Forsaken Souls {rCorr Dex+2}
241004 | Zig:3    | Identified the staff of poison "Hara" {rPois Stlth+}
241013 | Zig:3    | Identified the +7 halberd "Undertaker" {holy, rPois Str+5}
241030 | Zig:4    | Entered Level 4 of a ziggurat
241030 | Zig:4    | Noticed an ancient lich
241030 | Zig:4    | Noticed an ancient lich
241030 | Zig:4    | Noticed an ancient lich
241030 | Zig:4    | Noticed a dread lich
241030 | Zig:4    | Noticed an ancient lich
241030 | Zig:4    | Noticed an ancient lich
241030 | Zig:4    | Noticed a dread lich
241030 | Zig:4    | Noticed a dread lich
241030 | Zig:4    | Noticed a dread lich
241030 | Zig:4    | Noticed an ancient lich
241030 | Zig:4    | Noticed an ancient lich
241031 | Zig:4    | Noticed an ancient lich
241031 | Zig:4    | Noticed an ancient lich
241032 | Zig:4    | Killed an ancient lich
241033 | Zig:4    | Killed an ancient lich
241034 | Zig:4    | Killed an ancient lich
241034 | Zig:4    | Killed an ancient lich
241035 | Zig:4    | Noticed a dread lich
241035 | Zig:4    | Killed a dread lich
241035 | Zig:4    | Killed an ancient lich
241035 | Zig:4    | Killed a dread lich
241035 | Zig:4    | Killed a dread lich
241035 | Zig:4    | Killed an ancient lich
241036 | Zig:4    | Noticed a dread lich
241036 | Zig:4    | Killed an ancient lich
241037 | Zig:4    | Killed a dread lich
241045 | Zig:4    | Killed a dread lich
241047 | Zig:4    | Killed a dread lich
241047 | Zig:4    | Killed an ancient lich
241049 | Zig:4    | Killed an ancient lich
241186 | Zig:4    | Identified the ring "Uthoukhla" {AC+4 Int+5}
241188 | Zig:4    | Identified the +1 mace "Newtslayer" {freeze, rN+ rCorr
                  | Str-5}
241192 | Zig:4    | Identified the +1 trident "Ewik" {freeze, Dex+4}
241213 | Zig:5    | Entered Level 5 of a ziggurat
241338 | Zig:5    | Identified the +7 glaive of Gluttony {heavy, *Noise rElec
                  | rCorr Dex-2}
241339 | Zig:5    | Identified the +9 great sword "Amonnil" {vamp, Str+3}
241346 | Zig:5    | Identified the staff of earth "Bulol" {rElec rC+ Int-4}
241350 | Zig:5    | Identified the +8 lajatang "Liggunki" {heavy, Will++}
241358 | Zig:5    | Identified the +9 short sword "Jasipt" {freeze, rPois rC+}
241361 | Zig:6    | Entered Level 6 of a ziggurat
241372 | Zig:6    | Noticed Coekor the pandemonium lord
241386 | Zig:6    | Killed Coekor the pandemonium lord
241387 | Zig:6    | HP: 2/199 [Hell Sentinel/iron shot (11)]
241390 | Zig:6    | Killed from afar by a Hell Sentinel (47 damage)
                  | ... with damnation
241821 | Zig:6    | Identified the scarf "Darghoad" {harm, rN+ Int+4}
241825 | Zig:6    | Identified the +9 great sword of the Shrike {drain, rElec
                  | rCorr Str-2 Int+8}
241829 | Zig:6    | Identified the ring of Finetas {rC+ rCorr EV+5 Str+9}
241833 | Zig:6    | Identified the +2 dagger of Bypt {speed, rCorr Int+4}
241850 | Zig:7    | Entered Level 7 of a ziggurat
242227 | Zig:7    | Identified the +6 scimitar "Jykhean" {flame, rPois}
242233 | Zig:7    | Identified the +8 quarterstaff of Citzopei {speed, *Noise
                  | rCorr Str+8 Stlth-}
242243 | Zig:8    | Entered Level 8 of a ziggurat
242417 | Zig:8    | Identified the +3 ring mail of the Carpenter {Harm Str-2
                  | Dex+5}
242432 | Zig:8    | Acquired 958 gold pieces
242441 | Zig:9    | Entered Level 9 of a ziggurat
242580 | Zig:9    | Identified the +6 broad axe of the Lettuce {protect, rC++
                  | Int-2}
242584 | Zig:9    | Identified the ring of Egalitarianism {rC+ rN+ Int+2
                  | Slay-5}
242592 | Zig:9    | Identified the ring "Wuegut" {Fire rN+ Int-3 Dex+4 Slay+2}
242599 | Zig:10   | Entered Level 10 of a ziggurat
242599 | Zig:10   | Noticed an ancient lich
242599 | Zig:10   | Noticed an ancient lich
242599 | Zig:10   | Noticed an ancient lich
242599 | Zig:10   | Noticed a dread lich
242599 | Zig:10   | Noticed an ancient lich
242599 | Zig:10   | Noticed a dread lich
242599 | Zig:10   | Noticed an ancient lich
242600 | Zig:10   | Noticed a dread lich
242600 | Zig:10   | Noticed a dread lich
242600 | Zig:10   | Noticed a dread lich
242600 | Zig:10   | Noticed an ancient lich
242600 | Zig:10   | Noticed an ancient lich
242601 | Zig:10   | Noticed a dread lich
242602 | Zig:10   | Killed an ancient lich
242602 | Zig:10   | Killed an ancient lich
242603 | Zig:10   | Noticed a dread lich
242603 | Zig:10   | Noticed a dread lich
242603 | Zig:10   | Noticed an ancient lich
242603 | Zig:10   | Noticed an ancient lich
242603 | Zig:10   | Noticed a dread lich
242603 | Zig:10   | Noticed an ancient lich
242603 | Zig:10   | Noticed an ancient lich
242603 | Zig:10   | Noticed an ancient lich
242603 | Zig:10   | Noticed a dread lich
242603 | Zig:10   | Noticed a dread lich
242603 | Zig:10   | Noticed an ancient lich
242603 | Zig:10   | Noticed an ancient lich
242603 | Zig:10   | Noticed an ancient lich
242603 | Zig:10   | Noticed an ancient lich
242603 | Zig:10   | Noticed a dread lich
242604 | Zig:10   | Noticed an ancient lich
242604 | Zig:10   | Killed an ancient lich
242604 | Zig:10   | Killed a dread lich
242604 | Zig:10   | Killed a dread lich
242604 | Zig:10   | Killed an ancient lich
242604 | Zig:10   | Killed an ancient lich
242604 | Zig:10   | Killed an ancient lich
242605 | Zig:10   | Killed an ancient lich
242605 | Zig:10   | Killed a dread lich
242605 | Zig:10   | Noticed an ancient lich
242606 | Zig:10   | Killed a dread lich
242606 | Zig:10   | Killed an ancient lich
242606 | Zig:10   | Killed a dread lich
242606 | Zig:10   | Killed an ancient lich
242606 | Zig:10   | Killed a dread lich
242606 | Zig:10   | Noticed a dread lich
242607 | Zig:10   | Killed an ancient lich
242607 | Zig:10   | Killed an ancient lich
242607 | Zig:10   | Killed an ancient lich
242607 | Zig:10   | Killed a dread lich
242607 | Zig:10   | Killed an ancient lich
242607 | Zig:10   | Killed an ancient lich
242607 | Zig:10   | Killed a dread lich
242607 | Zig:10   | Killed an ancient lich
242607 | Zig:10   | Killed a dread lich
242607 | Zig:10   | Killed a dread lich
242607 | Zig:10   | Killed an ancient lich
242610 | Zig:10   | Killed a dread lich
242613 | Zig:10   | Killed a dread lich
242614 | Zig:10   | Killed an ancient lich
242615 | Zig:10   | Killed a dread lich
242616 | Zig:10   | Killed an ancient lich
242803 | Zig:10   | Identified the +10 short sword of Huhashra {freeze, Fly
                  | rElec rPois Int-5}
242805 | Zig:10   | Identified the +0 hand axe "Nakoiqeani" {flame, *Rage rN+
                  | Str+4 Dex+4}
242810 | Zig:10   | Identified the +2 leather armour of Decompression {Int+4}
242822 | Zig:10   | Identified the ring "Muymutay" {rPois rF+ Will+}
242838 | Zig:11   | Entered Level 11 of a ziggurat
242851 | Zig:11   | HP: 9/199 [red draconian scorcher/damnation (32)]
242856 | Zig:11   | Killed from afar by a red draconian (13 damage)
                  | ... with a searing blast
243094 | Zig:11   | Identified the +3 glaive of Uskayaw's Pride {protect,
                  | Dex+5}
243095 | Zig:11   | Identified the +0 scale mail of the Fletcher {rElec rPois
                  | Str-3 Stlth+}
243112 | Zig:11   | Identified the +2 sling of Exhibitionism {heavy, rN+}
243114 | Zig:11   | Identified the amulet "Ranoeh" {Reflect Fly rC+ SH+5}
243138 | Zig:12   | Entered Level 12 of a ziggurat
243138 | Zig:12   | Noticed a juggernaut
243138 | Zig:12   | Noticed a juggernaut
243138 | Zig:12   | Noticed a juggernaut
243142 | Zig:12   | Noticed a juggernaut
243142 | Zig:12   | Noticed a juggernaut
243143 | Zig:12   | Noticed a juggernaut
243144 | Zig:12   | Killed a juggernaut
243149 | Zig:12   | Killed a juggernaut
243150 | Zig:12   | Killed a juggernaut
243152 | Zig:12   | Killed a juggernaut
243153 | Zig:12   | Killed a juggernaut
243154 | Zig:12   | Killed a juggernaut
243352 | Zig:12   | Identified the ring of Youthful Indiscretion {Ice Dex+2}
243354 | Zig:12   | Identified the +0 ring mail "Heomisua" {Int-2 Dex+9}
243376 | Zig:12   | Identified the +1 short sword of the Lost Tusks {heavy,
                  | Drain rC+ Will+ Stlth+}
243389 | Zig:12   | Identified the +7 quarterstaff of the Revolution {protect,
                  | rF+ rC+ rN+ Int+3}
243415 | Zig:13   | Entered Level 13 of a ziggurat
243419 | Zig:13   | HP: 5/199 [balrug/divine providence (9)]
243421 | Zig:13   | Killed by divine providence
                  | ... invoked by a balrug
                  | (11 damage)
243431 | Zig:13   | Killed from afar by a hellephant (21 damage)
                  | ... with a blast of flame
243454 | Zig:13   | HP: 8/199 [hell knight/bolt of fire (12)]
243757 | Zig:13   | Identified the +10 quarterstaff "Zoutueseerph" {spect,
                  | *Rage *Corrode rC+++ SInv}
243867 | Zig:13   | Identified the amulet of the Dowdy Lemon {RegenMP rC+ rN+
                  | Regen+ Int+2}
243869 | Zig:13   | Identified the staff of fire "Ugaonar" {rF+ rN++ Will+
                  | Int-2}
243871 | Zig:13   | Identified the +1 leather armour of Benevolence {SInv}
243893 | Zig:14   | Entered Level 14 of a ziggurat
244136 | Zig:14   | Identified the +1 scale mail of Honin {Dex+3}
244146 | Zig:14   | Identified the ring "Ugick" {+Blink Fly Str+6 Dex-5 Stlth+}
244148 | Zig:14   | Identified the staff of cold "Taomuif" {rF- rC+ rN+ Dex+2}
244178 | Zig:14   | Identified the +7 falchion of Sulphur {freeze, rElec}
244179 | Zig:14   | Identified the ring of Sixtupro {Ice Fly Will+ Str-5 Dex+3}
244185 | Zig:14   | Identified the +0 plate armour of the Lives {rF+ rC+ Str+4
                  | Dex-5}
244197 | Zig:15   | Entered Level 15 of a ziggurat
244197 | Zig:15   | Noticed an orb of fire
244197 | Zig:15   | Noticed an orb of fire
244197 | Zig:15   | Noticed an orb of fire
244197 | Zig:15   | Noticed an orb of fire
244197 | Zig:15   | Noticed an orb of fire
244197 | Zig:15   | Noticed an orb of fire
244197 | Zig:15   | Noticed an orb of fire
244197 | Zig:15   | Noticed an orb of fire
244197 | Zig:15   | Noticed an orb of fire
244197 | Zig:15   | Noticed an orb of fire
244197 | Zig:15   | Noticed an orb of fire
244197 | Zig:15   | Noticed an orb of fire
244197 | Zig:15   | Noticed an orb of fire
244197 | Zig:15   | Noticed an orb of fire
244197 | Zig:15   | Noticed an orb of fire
244197 | Zig:15   | Noticed an orb of fire
244197 | Zig:15   | Noticed an orb of fire
244197 | Zig:15   | Noticed an orb of fire
244197 | Zig:15   | Noticed an orb of fire
244197 | Zig:15   | Noticed an orb of fire
244197 | Zig:15   | Noticed an orb of fire
244199 | Zig:15   | Noticed an orb of fire
244199 | Zig:15   | Noticed an orb of fire
244199 | Zig:15   | Noticed an orb of fire
244200 | Zig:15   | Noticed an orb of fire
244200 | Zig:15   | Noticed an orb of fire
244200 | Zig:15   | Noticed an orb of fire
244201 | Zig:15   | Noticed an orb of fire
244201 | Zig:15   | Killed from afar by an orb of fire (37 damage)
                  | ... with a fireball
244201 | Zig:15   | Noticed an orb of fire
244203 | Zig:15   | Killed an orb of fire
244203 | Zig:15   | Killed an orb of fire
244203 | Zig:15   | Killed an orb of fire
244203 | Zig:15   | Killed an orb of fire
244203 | Zig:15   | Killed an orb of fire
244203 | Zig:15   | Killed an orb of fire
244203 | Zig:15   | Killed an orb of fire
244203 | Zig:15   | Killed an orb of fire
244203 | Zig:15   | Killed an orb of fire
244203 | Zig:15   | Killed an orb of fire
244203 | Zig:15   | Noticed an orb of fire
244203 | Zig:15   | Noticed an orb of fire
244204 | Zig:15   | Killed an orb of fire
244204 | Zig:15   | Killed an orb of fire
244204 | Zig:15   | Killed an orb of fire
244204 | Zig:15   | Killed an orb of fire
244204 | Zig:15   | Killed an orb of fire
244205 | Zig:15   | Noticed an orb of fire
244205 | Zig:15   | Noticed an orb of fire
244205 | Zig:15   | Noticed an orb of fire
244205 | Zig:15   | Noticed an orb of fire
244205 | Zig:15   | Killed an orb of fire
244205 | Zig:15   | Killed an orb of fire
244205 | Zig:15   | Killed from afar by an orb of fire (16 damage)
                  | ... with a bolt of fire
244205 | Zig:15   | Noticed an orb of fire
244206 | Zig:15   | Noticed an orb of fire
244206 | Zig:15   | Killed an orb of fire
244206 | Zig:15   | Killed an orb of fire
244206 | Zig:15   | Noticed an orb of fire
244206 | Zig:15   | Noticed an orb of fire
244207 | Zig:15   | Noticed an orb of fire
244207 | Zig:15   | Noticed an orb of fire
244207 | Zig:15   | Noticed an orb of fire
244207 | Zig:15   | Killed an orb of fire
244207 | Zig:15   | Killed an orb of fire
244207 | Zig:15   | Killed an orb of fire
244207 | Zig:15   | Noticed an orb of fire
244207 | Zig:15   | Noticed an orb of fire
244207 | Zig:15   | Noticed an orb of fire
244208 | Zig:15   | Noticed an orb of fire
244210 | Zig:15   | Noticed an orb of fire
244210 | Zig:15   | Killed an orb of fire
244210 | Zig:15   | Killed an orb of fire
244210 | Zig:15   | Gained mutation: Armour fits poorly on your strangely
                  | shaped body. [an orb of fire]
244210 | Zig:15   | Noticed an orb of fire
244211 | Zig:15   | HP: 6/199 [orb of fire/bolt of fire (4)]
244211 | Zig:15   | Killed from afar by an orb of fire (10 damage)
                  | ... with a fireball
244211 | Zig:15   | Gained mutation: You are clumsy. (Dex -2) [an orb of fire]
244212 | Zig:15   | Noticed an orb of fire
244212 | Zig:15   | Noticed an orb of fire
244212 | Zig:15   | Noticed an orb of fire
244213 | Zig:15   | Noticed an orb of fire
244213 | Zig:15   | Noticed an orb of fire
244214 | Zig:15   | Noticed an orb of fire
244214 | Zig:15   | Killed an orb of fire
244214 | Zig:15   | Killed from afar by an orb of fire (34 damage)
                  | ... with a fireball
244215 | Zig:15   | Killed an orb of fire
244215 | Zig:15   | Killed an orb of fire
244216 | Zig:15   | Killed an orb of fire
244216 | Zig:15   | Killed an orb of fire
244216 | Zig:15   | Killed an orb of fire
244216 | Zig:15   | Killed from afar by an orb of fire (20 damage)
                  | ... with a fireball
244217 | Zig:15   | Killed an orb of fire
244217 | Zig:15   | Killed from afar by an orb of fire (36 damage)
                  | ... with a bolt of fire
244218 | Zig:15   | Killed an orb of fire
244218 | Zig:15   | Killed an orb of fire
244218 | Zig:15   | Killed an orb of fire
244218 | Zig:15   | Killed an orb of fire
244219 | Zig:15   | Killed an orb of fire
244219 | Zig:15   | Killed an orb of fire
244219 | Zig:15   | Killed an orb of fire
244219 | Zig:15   | Killed an orb of fire
244219 | Zig:15   | Killed an orb of fire
244219 | Zig:15   | Killed an orb of fire
244219 | Zig:15   | Killed an orb of fire
244219 | Zig:15   | Killed an orb of fire
244219 | Zig:15   | Killed an orb of fire
244219 | Zig:15   | Killed an orb of fire
244219 | Zig:15   | Killed an orb of fire
244219 | Zig:15   | Noticed an orb of fire
244220 | Zig:15   | Killed an orb of fire
244220 | Zig:15   | Killed an orb of fire
244221 | Zig:15   | Killed an orb of fire
244222 | Zig:15   | Killed from afar by an orb of fire (30 damage)
                  | ... with a fireball
244224 | Zig:15   | Killed an orb of fire
244226 | Zig:15   | Killed an orb of fire
244230 | Zig:15   | Killed an orb of fire
244230 | Zig:15   | Killed an orb of fire
244231 | Zig:15   | Killed from afar by an orb of fire (22 damage)
                  | ... with a fireball
244232 | Zig:15   | Killed an orb of fire
244240 | Zig:15   | Killed an orb of fire
244241 | Zig:15   | Noticed an orb of fire
244252 | Zig:15   | HP: 8/199 [fire dragon/blast of flame (11)]
244253 | Zig:15   | Killed an orb of fire
244268 | Zig:15   | HP: 4/199 [balrug/divine providence (12)]
244648 | Zig:15   | Identified the +6 quarterstaff of Waenukh {heavy, rCorr}
244669 | Zig:15   | Identified the amulet "Wilyts" {Spirit rPois rC++}
244672 | Zig:15   | Identified the +0 ring mail of Broken Taboos {Will+ Str+2}
244674 | Zig:15   | Identified the +7 falchion of Righteous Anger {freeze, rC-
                  | Str+3 SInv}
244682 | Zig:15   | Identified the +3 leather armour "Moeworr" {Str+4}
244697 | Zig:16   | Entered Level 16 of a ziggurat
244705 | Zig:16   | HP: 9/199 [blizzard demon/the air (5)]
244725 | Zig:16   | Killed from afar by an Ice Fiend (39 damage)
                  | ... with a bolt of cold
244750 | Zig:16   | Identified the +2 robe of Makhleb's Grace {Harm}
244947 | Zig:16   | Identified the ring of Gozag's Generosity {rC+ Int+6
                  | Slay+2}
244954 | Zig:16   | Identified the +1 chain mail "Fuown" {Harm Str+3 Dex+3}
244963 | Zig:16   | Identified the ring of Atymysch {rElec rF- rN+++ Int-2
                  | SInv}
244971 | Zig:16   | Identified the ring of Propriety {rCorr Str-3 Dex+4}
244982 | Zig:16   | Identified the +0 robe of Ustouf {rC+ Will+}
244987 | Zig:17   | Entered Level 17 of a ziggurat
245002 | Zig:17   | HP: 6/199 [black draconian knight/bolt of lightning (17)]
245002 | Zig:17   | HP: 1/199 [black draconian knight/bolt of lightning (5)]
245004 | Zig:17   | Mangled by a black draconian knight
                  | ... wielding a +2 heavy long sword
                  | (15 damage)
245356 | Zig:17   | Identified the staff of fire "Niuniac" {rF+ Str-2 Int+5}
245374 | Zig:17   | Identified the +2 ring mail of the Locust {rC+ Will+}
245376 | Zig:17   | Identified the +5 flail of Loving Painful Death {elec,
                  | rCorr Dex-2 Stlth+}
245384 | Zig:17   | Identified the ring of Hesk {rF+ Dex+5 Slay+3 SInv}
245387 | Zig:17   | Identified the +5 chain mail "Tuxy" {Will+}
245391 | Zig:17   | Identified the +2 falchion "Ciss" {drain, Str+3}
245412 | Zig:18   | Entered Level 18 of a ziggurat
245428 | Zig:18   | Killed from afar by an iron giant (40 damage)
                  | ... with an iron shot
245767 | Zig:18   | Identified the +0 leather armour of Gehenna {Dex+3}
245768 | Zig:18   | Identified the +12 halberd of Darkness {heavy, Int+2}
245782 | Zig:18   | Identified the staff of conjuration "Utaifib" {*Corrode
                  | +Blink rPois rC+}
245794 | Zig:18   | Identified the +0 plate armour "Juq Uts" {-Tele Dex+9}
245811 | Zig:18   | Identified the +5 rapier "Pupiq" {flame, rCorr Str-4 Dex+2
                  | SInv}
245859 | Zig:19   | Entered Level 19 of a ziggurat
245859 | Zig:19   | Noticed a dread lich
245859 | Zig:19   | Noticed an ancient lich
245859 | Zig:19   | Noticed an ancient lich
245859 | Zig:19   | Noticed an ancient lich
245859 | Zig:19   | Noticed a dread lich
245859 | Zig:19   | Noticed an ancient lich
245859 | Zig:19   | Noticed an ancient lich
245859 | Zig:19   | Noticed an ancient lich
245859 | Zig:19   | Noticed an ancient lich
245859 | Zig:19   | Noticed an ancient lich
245859 | Zig:19   | Noticed a dread lich
245859 | Zig:19   | Noticed a dread lich
245859 | Zig:19   | Noticed an ancient lich
245860 | Zig:19   | Killed an ancient lich
245861 | Zig:19   | Killed an ancient lich
245861 | Zig:19   | Killed a dread lich
245861 | Zig:19   | Killed a dread lich
245861 | Zig:19   | Killed an ancient lich
245861 | Zig:19   | Killed an ancient lich
245862 | Zig:19   | Noticed a dread lich
245862 | Zig:19   | Noticed an ancient lich
245862 | Zig:19   | Noticed a dread lich
245862 | Zig:19   | Noticed an ancient lich
245862 | Zig:19   | Noticed a dread lich
245862 | Zig:19   | Noticed a dread lich
245862 | Zig:19   | Noticed a dread lich
245862 | Zig:19   | Noticed a dread lich
245862 | Zig:19   | Noticed an ancient lich
245862 | Zig:19   | Noticed an ancient lich
245862 | Zig:19   | Noticed a dread lich
245863 | Zig:19   | Noticed a dread lich
245863 | Zig:19   | Noticed a dread lich
245864 | Zig:19   | Noticed a dread lich
245866 | Zig:19   | Killed a dread lich
245866 | Zig:19   | Killed a dread lich
245867 | Zig:19   | Killed an ancient lich
245869 | Zig:19   | Killed an ancient lich
245869 | Zig:19   | Killed an ancient lich
245869 | Zig:19   | Killed an ancient lich
245869 | Zig:19   | Killed an ancient lich
245869 | Zig:19   | Killed a dread lich
245869 | Zig:19   | Killed an ancient lich
245869 | Zig:19   | Killed an ancient lich
245871 | Zig:19   | Killed a dread lich
245871 | Zig:19   | Killed a dread lich
245871 | Zig:19   | Killed a dread lich
245871 | Zig:19   | Killed an ancient lich
245871 | Zig:19   | Killed a dread lich
245872 | Zig:19   | Killed a dread lich
245872 | Zig:19   | Killed an ancient lich
245873 | Zig:19   | Killed a dread lich
245874 | Zig:19   | Killed a dread lich
245874 | Zig:19   | Killed a dread lich
245875 | Zig:19   | Killed a dread lich
245877 | Zig:19   | Noticed an ancient lich
245877 | Zig:19   | Noticed a dread lich
245877 | Zig:19   | Noticed an ancient lich
245879 | Zig:19   | Noticed a dread lich
245880 | Zig:19   | Noticed a dread lich
245886 | Zig:19   | HP: 1/199 [profane servitor/+2 demon whip of pain (14)]
245890 | Zig:19   | Engulfed by a cloud of thunder (5 damage)
245895 | Zig:19   | Killed a dread lich
245895 | Zig:19   | Killed a dread lich
245895 | Zig:19   | Killed an ancient lich
245901 | Zig:19   | Killed an ancient lich
245903 | Zig:19   | Killed a dread lich
245912 | Zig:19   | Slain by a profane servitor
                  | ... wielding a +2 whip of draining
                  | (16 damage)
245917 | Zig:19   | Noticed a dread lich
245918 | Zig:19   | Noticed a dread lich
245919 | Zig:19   | Noticed an ancient lich
245923 | Zig:19   | Noticed a dread lich
245923 | Zig:19   | Noticed a dread lich
245933 | Zig:19   | Killed a dread lich
245933 | Zig:19   | HP: 5/199 [reaper/+7 vampiric scythe[a dread lich] (19)]
245934 | Zig:19   | Killed an ancient lich
245934 | Zig:19   | Killed a dread lich
245934 | Zig:19   | Killed a dread lich
245934 | Zig:19   | Killed a dread lich
245934 | Zig:19   | Slain by a bone dragon (10 damage)
246032 | Zig:19   | Identified the +2 plate armour of Hiorphob {Stlth+}
246110 | Zig:19   | Identified the +2 spear of the Middle {heavy, rElec rN+
                  | MP+9 Str+3}
246115 | Zig:19   | Identified the +5 scimitar of Wounding {flame, rPois Dex+2}
246125 | Zig:19   | Identified the +0 robe "Riufrufa" {rF- rC+++ Will++ Int-3}
246126 | Zig:19   | Identified the +0 chain mail "Kuner Cagg" {Dex+6}
246129 | Zig:19   | Identified the +7 long sword of Afeg {venom, rElec Will+++
                  | MP-9 Stlth+}
246130 | Zig:19   | Identified the amulet "Qamoh" {RegenMP Str+3}
246133 | Zig:19   | Identified the +9 rapier of Bighearr {holy, rN+ Str+4}
246156 | Zig:19   | Identified the staff of poison "Ucwameag" {rPois rC+ Str+2}
246159 | Zig:19   | Identified the staff of air "Maeradeo" {Drain rElec rN+
                  | Str-2 Dex+7}
246174 | Zig:19   | Acquired 544 gold pieces
246177 | Zig:19   | Acquired 1041 gold pieces
246179 | Zig:19   | Acquired the +2 helmet of Quantum Leap {Harm rC+}
246194 | Zig:20   | Entered Level 20 of a ziggurat
246216 | Zig:20   | Slain by an acid blob (27 damage)
246238 | Zig:20   | Gained mutation: You are weak. (Str -2) [a shining eye]
246644 | Zig:20   | Identified the +2 scimitar "Doirid" {pain, Fragile rF++ rC+
                  | rN+++}
246647 | Zig:20   | Identified the staff of conjuration "Sip Muoj" {rPois rN+
                  | Str+2}
246651 | Zig:20   | Identified the +3 robe of Uvvui {MP+9}
246654 | Zig:20   | Identified the staff of air "Siuzxur" {rElec Int+3}
246656 | Zig:20   | Identified the +9 hand axe of the Blushing Pill Bug
                  | {freeze, rC+ Stlth+}
246668 | Zig:20   | Identified the amulet "Riaf Ara" {Regen+ Dex+3}
246678 | Zig:20   | Identified the +4 plate armour "Caawuud" {Str+3}
246679 | Zig:20   | Identified the amulet of Democracy {Faith rF+ Will+ SInv}
246684 | Zig:20   | Identified the staff of fire "Ufydwuf" {rElec rF+ Will++
                  | Str+5}
246690 | Zig:20   | Identified the +7 mace "Blob" {venom, rN+ rCorr Stlth+}
246702 | Zig:20   | Identified the ring of Cyruac {rC+ EV+5 Int+4}
246740 | Zig:21   | Entered Level 21 of a ziggurat
246740 | Zig:21   | Noticed Wammos's ghost (legendary TeCj)
246740 | Zig:21   | Noticed astronautguy's ghost (master DEFE)
246740 | Zig:21   | Noticed Anafel's ghost (legendary GrFi)
246740 | Zig:21   | Noticed Motirgh's ghost (legendary DgHW)
246740 | Zig:21   | Noticed Hewasun's ghost (legendary MiBe)
246740 | Zig:21   | Noticed Asaxtuyhipro's ghost (adept MiCK)
246741 | Zig:21   | Noticed astronautguy's ghost (legendary FoEE)
246741 | Zig:21   | Noticed Ciweycke's ghost (legendary VSBr)
246741 | Zig:21   | Noticed stevelinton's ghost (legendary KoBe)
246741 | Zig:21   | Noticed Fouwomub's ghost (legendary FoEE)
246741 | Zig:21   | Noticed Boduf's ghost (legendary FoHu)
246741 | Zig:21   | Noticed Ubraesch's ghost (adept TrMo)
246741 | Zig:21   | Noticed Zoplarin's ghost (legendary BaSk)
246741 | Zig:21   | Noticed Walil's ghost (veteran MiMo)
246741 | Zig:21   | Noticed thechecker02's ghost (legendary DDFi)
246741 | Zig:21   | Noticed BerryKnight's ghost (legendary DgFi)
246741 | Zig:21   | Noticed lmSkywalker's ghost (adept DrTm)
246741 | Zig:21   | Noticed WiseOSalty's ghost (legendary TrGl)
246741 | Zig:21   | Noticed lmSkywalker's ghost (adept DrTm)
246741 | Zig:21   | Noticed SevenDeadlySins's ghost (legendary DrCj)
246741 | Zig:21   | Noticed Viugiw's ghost (legendary TeBe)
246741 | Zig:21   | Noticed Hillam's ghost (legendary DsTm)
246741 | Zig:21   | Noticed melllvar's ghost (legendary MiBe)
246741 | Zig:21   | Noticed corvin's ghost (legendary OgWn)
246741 | Zig:21   | Noticed xzight's ghost (legendary MiBe)
246741 | Zig:21   | Noticed lukano's ghost (legendary GrFi)
246741 | Zig:21   | Noticed ragingrage's ghost (legendary OpFE)
246741 | Zig:21   | Noticed Fenir's ghost (legendary GnAE)
246741 | Zig:21   | Noticed Polaczum's ghost (adept TrMo)
246741 | Zig:21   | Noticed melllvar's ghost (legendary MiBe)
246741 | Zig:21   | Noticed Kucykkydd's ghost (legendary MiFi)
246741 | Zig:21   | Noticed Motirgh's ghost (legendary DgHW)
246741 | Zig:21   | Noticed Evehuixoju's ghost (legendary VSFi)
246741 | Zig:21   | Noticed sleeves's ghost (legendary HuSk)
246741 | Zig:21   | Noticed Himmaryad's ghost (adept TrMo)
246741 | Zig:21   | Noticed Viocziel's ghost (adept TrMo)
246743 | Zig:21   | Noticed Alysiarr's ghost (legendary KoHu)
246743 | Zig:21   | Noticed Qatinlae's ghost (veteran DEFE)
246743 | Zig:21   | Noticed Hacvoq's ghost (legendary HOFi)
246743 | Zig:21   | Noticed Haitsiopt's ghost (legendary DsGl)
246744 | Zig:21   | Noticed Ubraesch's ghost (adept TrMo)
246744 | Zig:21   | Noticed Zonian's ghost (legendary HOFi)
246744 | Zig:21   | Noticed Xutext's ghost (adept DsAK)
246744 | Zig:21   | Noticed thechecker02's ghost (legendary DDFi)
246744 | Zig:21   | Noticed Manman's ghost (legendary HOGl)
246744 | Zig:21   | Noticed Manman's ghost (legendary HOGl)
246744 | Zig:21   | Noticed Totuz's ghost (legendary HOFi)
246744 | Zig:21   | Noticed Polaczum's ghost (adept TrMo)
246745 | Zig:21   | Noticed Himmaryad's ghost (adept TrMo)
246745 | Zig:21   | Noticed Xaowkis's ghost (legendary GnWr)
246745 | Zig:21   | Killed Qatinlae's ghost
246745 | Zig:21   | Noticed Kufiz's ghost (master GrCK)
246745 | Zig:21   | Noticed Ocwetyh's ghost (legendary OpCj)
246746 | Zig:21   | Noticed Xutext's ghost (adept DsAK)
246746 | Zig:21   | Noticed Fenir's ghost (legendary GnAE)
246746 | Zig:21   | Noticed Nenig's ghost (legendary GnFi)
246746 | Zig:21   | Noticed Ocwetyh's ghost (legendary OpCj)
246746 | Zig:21   | Noticed melllvar's ghost (legendary MiBe)
246746 | Zig:21   | Noticed sleeves's ghost (legendary DsFi)
246747 | Zig:21   | Noticed Ciweycke's ghost (legendary VSBr)
246747 | Zig:21   | Noticed Xocw's ghost (legendary GrMo)
246747 | Zig:21   | Noticed Talannal's ghost (legendary GnHW)
246747 | Zig:21   | Noticed Joizeul's ghost (veteran MiBe)
246747 | Zig:21   | Noticed Waohesse's ghost (legendary VSFi)
246747 | Zig:21   | Noticed Nenig's ghost (legendary GnFi)
246747 | Zig:21   | Noticed Xorhowon's ghost (legendary MiBe)
246747 | Zig:21   | Noticed astronautguy's ghost (master DEFE)
246747 | Zig:21   | Noticed lukano's ghost (legendary GrFi)
246747 | Zig:21   | Killed astronautguy's ghost
246747 | Zig:21   | Killed Viocziel's ghost
246747 | Zig:21   | Killed Ubraesch's ghost
246747 | Zig:21   | Noticed SevenDeadlySins's ghost (legendary DrCj)
246753 | Zig:21   | Noticed Qatinlae's ghost (veteran DEFE)
246753 | Zig:21   | Noticed Saphesar's ghost (veteran DsFi)
246755 | Zig:21   | Noticed Zeph's ghost (adept NaFi)
246755 | Zig:21   | Noticed sleeves's ghost (legendary DsFi)
246756 | Zig:21   | Killed Xutext's ghost
246758 | Zig:21   | Killed Qatinlae's ghost
246758 | Zig:21   | Killed stevelinton's ghost
246758 | Zig:21   | Killed Ciweycke's ghost
246758 | Zig:21   | Killed Viugiw's ghost
246759 | Zig:21   | Killed ragingrage's ghost
246761 | Zig:21   | Killed Himmaryad's ghost
246761 | Zig:21   | Killed thechecker02's ghost
246763 | Zig:21   | Killed Fenir's ghost
246763 | Zig:21   | Killed Ubraesch's ghost
246763 | Zig:21   | Killed Xutext's ghost
246763 | Zig:21   | Killed corvin's ghost
246764 | Zig:21   | Killed sleeves's ghost
246764 | Zig:21   | Killed Alysiarr's ghost
246764 | Zig:21   | Killed Ciweycke's ghost
246765 | Zig:21   | Noticed Hewasun's ghost (legendary MiBe)
246765 | Zig:21   | Noticed Huju's ghost (legendary HOFi)
246767 | Zig:21   | Noticed Asaxtuyhipro's ghost (adept MiCK)
246767 | Zig:21   | Noticed Rirumasy's ghost (legendary OpWn)
246767 | Zig:21   | Noticed scarywalker64's ghost (legendary GrEE)
246767 | Zig:21   | Noticed sleeves's ghost (legendary DsFi)
246767 | Zig:21   | Noticed strangelove's ghost (master GrEE)
246767 | Zig:21   | Noticed Viocziel's ghost (adept TrMo)
246767 | Zig:21   | Noticed Huju's ghost (legendary HOFi)
246767 | Zig:21   | Noticed sleeves's ghost (legendary DsFi)
246767 | Zig:21   | Noticed Lasuan's ghost (master MiWr)
246767 | Zig:21   | Noticed Zachydoop's ghost (veteran MiMo)
246767 | Zig:21   | Noticed Ebassic's ghost (veteran GrFi)
246767 | Zig:21   | Noticed corvin's ghost (legendary OgWn)
246767 | Zig:21   | Noticed astronautguy's ghost (legendary FoEE)
246767 | Zig:21   | Noticed runemage's ghost (legendary GnFi)
246767 | Zig:21   | Noticed Unuchuin's ghost (legendary GnFi)
246767 | Zig:21   | Noticed Piginabag's ghost (legendary DsSk)
246767 | Zig:21   | Noticed Polaczum's ghost (adept TrMo)
246767 | Zig:21   | Killed Talannal's ghost
246767 | Zig:21   | Killed Waohesse's ghost
246767 | Zig:21   | Noticed Saphesar's ghost (veteran DsFi)
246768 | Zig:21   | Noticed Xaowkis's ghost (legendary GnWr)
246768 | Zig:21   | Noticed Kufiz's ghost (master GrCK)
246768 | Zig:21   | Noticed Hillam's ghost (legendary DsTm)
246768 | Zig:21   | Noticed Reun's ghost (legendary GrEE)
246771 | Zig:21   | Killed Polaczum's ghost
246771 | Zig:21   | Noticed swap's ghost (legendary DEFE)
246771 | Zig:21   | Noticed Gemnonof's ghost (adept DgCj)
246772 | Zig:21   | Noticed Reun's ghost (legendary GrEE)
246772 | Zig:21   | Killed Zoplarin's ghost
246772 | Zig:21   | Noticed frimble's ghost (adept DsGl)
246772 | Zig:21   | Noticed Dalot's ghost (legendary OpCj)
246772 | Zig:21   | Noticed Kalug's ghost (legendary DrFi)
246773 | Zig:21   | Noticed Alysiarr's ghost (legendary KoHu)
246773 | Zig:21   | Killed corvin's ghost
246773 | Zig:21   | Killed Walil's ghost
246773 | Zig:21   | Killed Gemnonof's ghost
246773 | Zig:21   | Killed Xorhowon's ghost
246773 | Zig:21   | Killed Fenir's ghost
246773 | Zig:21   | Killed thechecker02's ghost
246773 | Zig:21   | Noticed Giojuova's ghost (legendary GnBe)
246773 | Zig:21   | Noticed Zenecom's ghost (legendary MiFi)
246773 | Zig:21   | Noticed Hillam's ghost (legendary DsTm)
246773 | Zig:21   | Noticed Zonian's ghost (legendary HOFi)
246773 | Zig:21   | Noticed Qeseci's ghost (legendary NaTm)
246773 | Zig:21   | Noticed Ciweycke's ghost (legendary VSBr)
246773 | Zig:21   | Noticed Kalug's ghost (legendary DrFi)
246773 | Zig:21   | Noticed Uhosoup's ghost (veteran GrFi)
246775 | Zig:21   | Killed Polaczum's ghost
246775 | Zig:21   | Killed Asaxtuyhipro's ghost
246775 | Zig:21   | Killed astronautguy's ghost
246775 | Zig:21   | Killed Ocwetyh's ghost
246775 | Zig:21   | Noticed strangelove's ghost (master GrEE)
246775 | Zig:21   | Noticed Xutext's ghost (adept DsAK)
246775 | Zig:21   | Noticed Heartburn's ghost (veteran MiFi)
246775 | Zig:21   | Noticed Alysiarr's ghost (legendary KoHu)
246775 | Zig:21   | Noticed meatyocre's ghost (veteran TrFi)
246776 | Zig:21   | Noticed heteroy's ghost (legendary DsHu)
246776 | Zig:21   | Noticed Denobboc's ghost (legendary OpMo)
246776 | Zig:21   | Noticed Qatinlae's ghost (veteran DEFE)
246776 | Zig:21   | Noticed runemage's ghost (legendary GnFi)
246776 | Zig:21   | Noticed Xaowkis's ghost (legendary GnWr)
246776 | Zig:21   | Noticed Teaz Xo Upt's ghost (legendary GnFE)
246776 | Zig:21   | Killed Hillam's ghost
246776 | Zig:21   | Killed Ocwetyh's ghost
246776 | Zig:21   | Killed Hewasun's ghost
246776 | Zig:21   | Killed Nenig's ghost
246776 | Zig:21   | Noticed frimble's ghost (adept DsGl)
246776 | Zig:21   | Noticed Zonian's ghost (legendary HOFi)
246777 | Zig:21   | Killed Boduf's ghost
246778 | Zig:21   | Killed frimble's ghost
246778 | Zig:21   | Killed from afar by astronautguy's ghost (16 damage)
                  | ... with a vortex
246778 | Zig:21   | Killed Wammos's ghost
246778 | Zig:21   | Killed Himmaryad's ghost
246778 | Zig:21   | Killed Evehuixoju's ghost
246778 | Zig:21   | Killed Xocw's ghost
246787 | Zig:21   | Killed Nenig's ghost
246787 | Zig:21   | Killed BerryKnight's ghost
246787 | Zig:21   | Killed melllvar's ghost
246788 | Zig:21   | Killed sleeves's ghost
246788 | Zig:21   | Killed Xaowkis's ghost
246788 | Zig:21   | Killed lmSkywalker's ghost
246789 | Zig:21   | Killed sleeves's ghost
246789 | Zig:21   | Killed runemage's ghost
246789 | Zig:21   | Killed Viocziel's ghost
246789 | Zig:21   | Killed Reun's ghost
246789 | Zig:21   | Killed Hacvoq's ghost
246789 | Zig:21   | Killed Rirumasy's ghost
246789 | Zig:21   | Killed Hillam's ghost
246789 | Zig:21   | Killed SevenDeadlySins's ghost
246789 | Zig:21   | Killed Anafel's ghost
246789 | Zig:21   | Killed sleeves's ghost
246789 | Zig:21   | Killed lukano's ghost
246789 | Zig:21   | Killed astronautguy's ghost
246789 | Zig:21   | Killed Fouwomub's ghost
246789 | Zig:21   | Killed Motirgh's ghost
246789 | Zig:21   | Killed Asaxtuyhipro's ghost
246789 | Zig:21   | Killed Motirgh's ghost
246789 | Zig:21   | Killed Kufiz's ghost
246789 | Zig:21   | Killed Zonian's ghost
246789 | Zig:21   | Killed Totuz's ghost
246789 | Zig:21   | Killed strangelove's ghost
246789 | Zig:21   | Killed Manman's ghost
246789 | Zig:21   | Killed Ciweycke's ghost
246789 | Zig:21   | Killed Hewasun's ghost
246789 | Zig:21   | Killed Unuchuin's ghost
246789 | Zig:21   | Noticed Asaxtuyhipro's ghost (adept MiCK)
246790 | Zig:21   | Killed Huju's ghost
246790 | Zig:21   | Killed WiseOSalty's ghost
246790 | Zig:21   | Killed Teaz Xo Upt's ghost
246790 | Zig:21   | Killed Joizeul's ghost
246790 | Zig:21   | Killed Alysiarr's ghost
246790 | Zig:21   | Killed Denobboc's ghost
246790 | Zig:21   | Killed Lasuan's ghost
246790 | Zig:21   | Killed Qatinlae's ghost
246790 | Zig:21   | Killed lukano's ghost
246790 | Zig:21   | Killed Zachydoop's ghost
246790 | Zig:21   | Killed strangelove's ghost
246790 | Zig:21   | Killed Manman's ghost
246790 | Zig:21   | Killed scarywalker64's ghost
246790 | Zig:21   | Killed Heartburn's ghost
246790 | Zig:21   | Killed Alysiarr's ghost
246790 | Zig:21   | Killed sleeves's ghost
246790 | Zig:21   | Killed Kalug's ghost
246791 | Zig:21   | Killed melllvar's ghost
246791 | Zig:21   | Killed Kalug's ghost
246791 | Zig:21   | Killed Reun's ghost
246791 | Zig:21   | Killed frimble's ghost
246791 | Zig:21   | Killed Saphesar's ghost
246791 | Zig:21   | Killed Xaowkis's ghost
246791 | Zig:21   | Killed Zeph's ghost
246791 | Zig:21   | Killed xzight's ghost
246791 | Zig:21   | Killed Saphesar's ghost
246791 | Zig:21   | Killed Giojuova's ghost
246791 | Zig:21   | Killed Piginabag's ghost
246791 | Zig:21   | Killed swap's ghost
246791 | Zig:21   | Killed Kucykkydd's ghost
246792 | Zig:21   | Killed astronautguy's ghost
246792 | Zig:21   | Killed runemage's ghost
246792 | Zig:21   | Killed Zenecom's ghost
246792 | Zig:21   | Killed meatyocre's ghost
246792 | Zig:21   | Killed Xutext's ghost
246793 | Zig:21   | Killed Zonian's ghost
246793 | Zig:21   | Killed Qeseci's ghost
246793 | Zig:21   | Killed from afar by Dalot's ghost (37 damage)
                  | ... with a great blast of fire
246793 | Zig:21   | Killed Dalot's ghost
246794 | Zig:21   | Killed SevenDeadlySins's ghost
246795 | Zig:21   | Killed lmSkywalker's ghost
246795 | Zig:21   | Killed heteroy's ghost
246796 | Zig:21   | Killed Asaxtuyhipro's ghost
246801 | Zig:21   | Killed Hillam's ghost
246803 | Zig:21   | Killed Xaowkis's ghost
246803 | Zig:21   | Killed Polaczum's ghost
246803 | Zig:21   | Killed Zonian's ghost
246803 | Zig:21   | Killed Uhosoup's ghost
246804 | Zig:21   | Killed Kufiz's ghost
246805 | Zig:21   | Killed Ebassic's ghost
246807 | Zig:21   | Killed Huju's ghost
246824 | Zig:21   | Killed Haitsiopt's ghost
246832 | Zig:21   | Identified the staff of cold "Rimixzir" {rC+ rN+ Str+2}
246843 | Zig:21   | Killed melllvar's ghost
246848 | Zig:21   | Identified the +9 arbalest "Oggajany" {heavy, Str+2}
246851 | Zig:21   | Identified the staff of air "Ungeab" {Fly rElec Will+
                  | Dex-3}
247151 | Zig:21   | Identified the staff of death "Izecuese" {rElec rPois rN+}
247159 | Zig:21   | Identified the +1 pair of gloves of Courage {rC+ Str+2
                  | Dex+3 Stlth-}
247163 | Zig:21   | Identified the amulet of the Harvest {RegenMP Dex+2}
247165 | Zig:21   | Identified the +2 ring mail "Vothraox" {rPois rC- Regen+}
247169 | Zig:21   | Identified the amulet of Vitz {Fragile rPois Will+ Regen+}
247184 | Zig:21   | Identified the +0 chain mail of Epuorou {rC- rN+++ Will-
                  | Stlth+}
247207 | Zig:22   | Entered Level 22 of a ziggurat
247207 | Zig:22   | Noticed a juggernaut
247207 | Zig:22   | Noticed a juggernaut
247207 | Zig:22   | Noticed a juggernaut
247207 | Zig:22   | Noticed a juggernaut
247207 | Zig:22   | Noticed a juggernaut
247207 | Zig:22   | Noticed a juggernaut
247207 | Zig:22   | Noticed a juggernaut
247207 | Zig:22   | Noticed a juggernaut
247207 | Zig:22   | Noticed a juggernaut
247207 | Zig:22   | Noticed a juggernaut
247207 | Zig:22   | Noticed a juggernaut
247208 | Zig:22   | Noticed a juggernaut
247208 | Zig:22   | Noticed a juggernaut
247209 | Zig:22   | Noticed a juggernaut
247209 | Zig:22   | Noticed a juggernaut
247209 | Zig:22   | Noticed a juggernaut
247209 | Zig:22   | Noticed a juggernaut
247210 | Zig:22   | Noticed a juggernaut
247210 | Zig:22   | Noticed a juggernaut
247210 | Zig:22   | Noticed a juggernaut
247210 | Zig:22   | Noticed a juggernaut
247210 | Zig:22   | Noticed a juggernaut
247210 | Zig:22   | Noticed a juggernaut
247210 | Zig:22   | Noticed a juggernaut
247210 | Zig:22   | Noticed a juggernaut
247211 | Zig:22   | Noticed a juggernaut
247211 | Zig:22   | Noticed a juggernaut
247211 | Zig:22   | Noticed a juggernaut
247214 | Zig:22   | Killed a juggernaut
247214 | Zig:22   | Noticed a juggernaut
247215 | Zig:22   | Noticed a juggernaut
247215 | Zig:22   | Killed a juggernaut
247215 | Zig:22   | Killed a juggernaut
247215 | Zig:22   | Killed a juggernaut
247215 | Zig:22   | Killed a juggernaut
247215 | Zig:22   | Killed a juggernaut
247215 | Zig:22   | Killed a juggernaut
247215 | Zig:22   | Killed a juggernaut
247215 | Zig:22   | Killed a juggernaut
247215 | Zig:22   | Killed a juggernaut
247215 | Zig:22   | Killed a juggernaut
247215 | Zig:22   | Killed a juggernaut
247215 | Zig:22   | Noticed a juggernaut
247215 | Zig:22   | Killed a juggernaut
247215 | Zig:22   | Killed a juggernaut
247215 | Zig:22   | Killed a juggernaut
247215 | Zig:22   | Killed a juggernaut
247215 | Zig:22   | Noticed a juggernaut
247216 | Zig:22   | Noticed a juggernaut
247216 | Zig:22   | Noticed a juggernaut
247216 | Zig:22   | Noticed a juggernaut
247216 | Zig:22   | Noticed a juggernaut
247216 | Zig:22   | Killed a juggernaut
247216 | Zig:22   | Killed a juggernaut
247216 | Zig:22   | Killed a juggernaut
247216 | Zig:22   | Killed a juggernaut
247216 | Zig:22   | Killed a juggernaut
247217 | Zig:22   | Noticed a juggernaut
247217 | Zig:22   | Killed a juggernaut
247217 | Zig:22   | Killed a juggernaut
247217 | Zig:22   | Killed a juggernaut
247218 | Zig:22   | Noticed a juggernaut
247218 | Zig:22   | Killed a juggernaut
247219 | Zig:22   | Killed a juggernaut
247219 | Zig:22   | Killed a juggernaut
247219 | Zig:22   | Killed a juggernaut
247219 | Zig:22   | Killed a juggernaut
247219 | Zig:22   | HP: 2/199 [titan/the air (16)]
247219 | Zig:22   | Noticed a juggernaut
247219 | Zig:22   | Killed a juggernaut
247219 | Zig:22   | Noticed a juggernaut
247220 | Zig:22   | Killed a juggernaut
247221 | Zig:22   | Killed a juggernaut
247221 | Zig:22   | Killed a juggernaut
247222 | Zig:22   | Noticed a juggernaut
247222 | Zig:22   | Slain by a juggernaut (7 damage)
247222 | Zig:22   | Noticed a juggernaut
247222 | Zig:22   | Noticed a juggernaut
247223 | Zig:22   | Noticed a juggernaut
247223 | Zig:22   | Noticed a juggernaut
247223 | Zig:22   | Noticed a juggernaut
247223 | Zig:22   | Noticed a juggernaut
247223 | Zig:22   | Noticed a juggernaut
247225 | Zig:22   | Killed a juggernaut
247225 | Zig:22   | Killed a juggernaut
247225 | Zig:22   | Killed a juggernaut
247225 | Zig:22   | Killed a juggernaut
247225 | Zig:22   | Killed a juggernaut
247225 | Zig:22   | Killed a juggernaut
247226 | Zig:22   | Killed a juggernaut
247227 | Zig:22   | Killed a juggernaut
247227 | Zig:22   | Killed a juggernaut
247227 | Zig:22   | Noticed a juggernaut
247227 | Zig:22   | Noticed a juggernaut
247228 | Zig:22   | Noticed a juggernaut
247228 | Zig:22   | Killed a juggernaut
247229 | Zig:22   | Killed a juggernaut
247230 | Zig:22   | Killed a juggernaut
247233 | Zig:22   | Killed a juggernaut
247235 | Zig:22   | Killed a juggernaut
247236 | Zig:22   | Killed a juggernaut
247239 | Zig:22   | Killed a juggernaut
247244 | Zig:22   | Killed a juggernaut
247245 | Zig:22   | Killed a juggernaut
247634 | Zig:22   | Identified the +10 short sword "Gopuparu" {freeze, rF+
                  | rCorr Int+2}
247640 | Zig:22   | Identified the +5 long sword "Otoborae" {speed, rF+ rC++}
247657 | Zig:22   | Identified the +6 trident of Hibu {drain, Str+3}
247659 | Zig:22   | Identified the +10 hand axe of Analysis {spect, rPois Int+4
                  | Dex+4}
247668 | Zig:22   | Identified the +7 sling "Ytsyit" {antimagic, Int+3 Stlth+}
247669 | Zig:22   | Identified the +8 rapier of the Forging Dragonfly {heavy,
                  | *Noise rF+++ Str-4 Dex+6}
247695 | Zig:22   | Identified the +8 chain mail "Damuebl Xuokh" {-Tele rPois
                  | Dex+2}
247696 | Zig:22   | Identified the ring of Noblal {Fire Will- MP-9 Int+2 Dex+9}
247699 | Zig:22   | Identified the +4 scale mail "Ediolele" {rF++ MP-9 Int+3}
247733 | Zig:23   | Entered Level 23 of a ziggurat
247810 | Zig:23   | Identified the +6 rapier of Debeuz {freeze, *Rage rF+++
                  | MP-9 Int+8}
248123 | Zig:23   | Identified the staff of earth "Noptog" {rElec Dex+3}
248128 | Zig:23   | Identified the +8 hand axe "Conservator" {drain, rC+}
248133 | Zig:23   | Identified the +5 war axe "Ujeibi" {vamp, *Noise rElec rF+
                  | Int+3}
248141 | Zig:23   | Identified the +1 cloak "Heluntau" {Str+4}
248150 | Zig:23   | Identified the staff of air "Zouveu" {rElec Str+3}
248153 | Zig:23   | Identified the +1 quarterstaff of Pomacsyh {freeze, Will+
                  | Int+4 Dex-4}
248156 | Zig:23   | Identified the +0 morningstar of Freehold {drain, rC+ Int+2
                  | Stlth+}
248161 | Zig:23   | Identified the ring of the Genius {rN+ Int+6 Dex+5}
248170 | Zig:23   | Identified the +0 leather armour "Qedd" {rN++ Int+2}
248176 | Zig:23   | Identified the staff of poison "Wuwetz" {rPois rF- Will++
                  | Int+5}
248182 | Zig:23   | Identified the +1 quarterstaff of the Rescuing Stork
                  | {heavy, rF+++ rC+++ Str-3 Int-4}
248229 | Zig:24   | Entered Level 24 of a ziggurat
248229 | Zig:24   | Noticed a juggernaut
248229 | Zig:24   | Noticed a juggernaut
248229 | Zig:24   | Noticed a juggernaut
248229 | Zig:24   | Noticed a juggernaut
248231 | Zig:24   | Noticed a juggernaut
248231 | Zig:24   | Noticed a juggernaut
248231 | Zig:24   | Noticed a juggernaut
248231 | Zig:24   | Noticed a juggernaut
248231 | Zig:24   | Noticed a juggernaut
248231 | Zig:24   | Noticed a juggernaut
248231 | Zig:24   | Noticed a juggernaut
248231 | Zig:24   | Noticed a juggernaut
248232 | Zig:24   | Noticed a juggernaut
248233 | Zig:24   | Killed a juggernaut
248233 | Zig:24   | Killed a juggernaut
248234 | Zig:24   | Noticed a juggernaut
248234 | Zig:24   | Noticed a juggernaut
248234 | Zig:24   | Noticed a juggernaut
248234 | Zig:24   | Killed a juggernaut
248234 | Zig:24   | Noticed a juggernaut
248235 | Zig:24   | Noticed a juggernaut
248235 | Zig:24   | Noticed a juggernaut
248235 | Zig:24   | Noticed a juggernaut
248235 | Zig:24   | Noticed a juggernaut
248235 | Zig:24   | Killed a juggernaut
248237 | Zig:24   | Killed a juggernaut
248237 | Zig:24   | Killed a juggernaut
248237 | Zig:24   | Killed a juggernaut
248237 | Zig:24   | Killed a juggernaut
248237 | Zig:24   | Killed a juggernaut
248237 | Zig:24   | Killed a juggernaut
248237 | Zig:24   | Killed a juggernaut
248239 | Zig:24   | Noticed a juggernaut
248240 | Zig:24   | Killed a juggernaut
248240 | Zig:24   | Killed a juggernaut
248241 | Zig:24   | Killed a juggernaut
248242 | Zig:24   | Killed a juggernaut
248243 | Zig:24   | Noticed a juggernaut
248245 | Zig:24   | Killed a juggernaut
248246 | Zig:24   | Noticed a juggernaut
248251 | Zig:24   | Noticed a juggernaut
248251 | Zig:24   | Noticed a juggernaut
248252 | Zig:24   | Killed a juggernaut
248253 | Zig:24   | Noticed a juggernaut
248253 | Zig:24   | Killed a juggernaut
248253 | Zig:24   | Killed a juggernaut
248254 | Zig:24   | Noticed a juggernaut
248254 | Zig:24   | Killed a juggernaut
248254 | Zig:24   | Killed a juggernaut
248254 | Zig:24   | Killed a juggernaut
248254 | Zig:24   | Noticed a juggernaut
248259 | Zig:24   | Killed a juggernaut
248261 | Zig:24   | Killed a juggernaut
248262 | Zig:24   | Killed a juggernaut
248266 | Zig:24   | Killed a juggernaut
248268 | Zig:24   | Killed a juggernaut
248271 | Zig:24   | Killed a juggernaut
248276 | Zig:24   | Noticed a juggernaut
248277 | Zig:24   | Noticed a juggernaut
248278 | Zig:24   | Noticed a juggernaut
248284 | Zig:24   | Killed a juggernaut
248293 | Zig:24   | HP: 3/199 [orc high priest/divine providence (11)]
248294 | Zig:24   | Killed a juggernaut
248294 | Zig:24   | Killed by divine providence
                  | ... invoked by an orc high priest
                  | (15 damage)
248295 | Zig:24   | Killed a juggernaut
248298 | Zig:24   | Killed a juggernaut
248595 | Zig:24   | Identified the +2 pair of gloves of Aczoz {rC+ rN+ Will+}
248596 | Zig:24   | Identified the +8 executioner's axe of Lonynosm {elec, rF+}
248610 | Zig:24   | Identified the +0 robe "Qaigucorgh" {Harm rF+ rCorr}
248611 | Zig:24   | Identified the +3 trident "Kimmeuch" {heavy, rCorr Str+3}
248632 | Zig:24   | Identified the +1 long sword of Evil {drain, *Rage Fly
                  | Str+4 SInv}
248637 | Zig:24   | Identified the amulet "Piatirph" {Spirit rN+ Will+ Str+3}
248643 | Zig:24   | Identified the ring of Pimicsud {Wiz *Slow +Blink rPois
                  | Int+5}
248655 | Zig:24   | Identified the ring "Cigodorgh" {rF- MP+9 Str-2 Dex+5}
248664 | Zig:24   | Identified the staff of conjuration "Curusmem" {Contam
                  | rN+++ Will+++ Int+3}
248667 | Zig:24   | Identified the ring "Ytro Jalofeh" {Fire Fly rN++ Int+3
                  | Stlth+}
248689 | Zig:24   | Identified the +0 pair of boots of the Echidna {Harm rF+++
                  | rC- Will+}
248723 | Zig:25   | Entered Level 25 of a ziggurat
248771 | Zig:25   | Upgraded the game from 0.30-a0-1161-g0704695555 to
                  | 0.30-a0-1163-gf69bf04e7a
248981 | Zig:25   | Identified the staff of earth "Puetaucy" {rF+}
248982 | Zig:25   | Identified the +1 great mace of the Heavens {flame, rElec}
248987 | Zig:25   | Identified the amulet of Democracy {Faith rElec rPois
                  | Dex-4}
248998 | Zig:25   | Identified the +2 dire flail "Lyczapro" {freeze, *Corrode
                  | rN+ Str+3}
249000 | Zig:25   | Identified the +9 great sword of Charmed Judgement {venom,
                  | rN++ rCorr Dex-5 SInv}
249001 | Zig:25   | Identified the +6 halberd of Cioseg {holy, Str+3}
249008 | Zig:25   | Identified the +0 robe "Naetatew" {Harm rN+ Str+4 Slay-6}
249012 | Zig:25   | Identified the ring of the Countless Coins {rPois Will-
                  | rCorr Str+3 Slay+4 Stlth+}
249015 | Zig:25   | Identified the +0 robe "Bybrorano" {Harm rF+ rC- rN+}
249032 | Zig:26   | Entered Level 26 of a ziggurat
249032 | Zig:26   | Noticed a dread lich
249032 | Zig:26   | Noticed a dread lich
249032 | Zig:26   | Noticed a dread lich
249032 | Zig:26   | Noticed a dread lich
249032 | Zig:26   | Noticed a dread lich
249032 | Zig:26   | Noticed an ancient lich
249032 | Zig:26   | Noticed a dread lich
249033 | Zig:26   | Noticed an ancient lich
249034 | Zig:26   | Killed a dread lich
249034 | Zig:26   | Killed a dread lich
249034 | Zig:26   | Killed an ancient lich
249035 | Zig:26   | Noticed an ancient lich
249035 | Zig:26   | Noticed a dread lich
249035 | Zig:26   | Noticed a dread lich
249035 | Zig:26   | Noticed an ancient lich
249035 | Zig:26   | Noticed an ancient lich
249035 | Zig:26   | Noticed a dread lich
249036 | Zig:26   | Noticed a dread lich
249036 | Zig:26   | Killed a dread lich
249036 | Zig:26   | Noticed an ancient lich
249037 | Zig:26   | Killed a dread lich
249037 | Zig:26   | Killed a dread lich
249037 | Zig:26   | Killed a dread lich
249037 | Zig:26   | Noticed an ancient lich
249037 | Zig:26   | Noticed a dread lich
249038 | Zig:26   | Noticed an ancient lich
249038 | Zig:26   | Noticed a dread lich
249038 | Zig:26   | Noticed an ancient lich
249039 | Zig:26   | Killed an ancient lich
249039 | Zig:26   | Killed a dread lich
249039 | Zig:26   | Killed an ancient lich
249040 | Zig:26   | Noticed a dread lich
249040 | Zig:26   | Noticed an ancient lich
249040 | Zig:26   | Killed an ancient lich
249040 | Zig:26   | Noticed an ancient lich
249040 | Zig:26   | Killed a dread lich
249040 | Zig:26   | Killed a dread lich
249040 | Zig:26   | Noticed an ancient lich
249041 | Zig:26   | Noticed a dread lich
249042 | Zig:26   | Killed a dread lich
249042 | Zig:26   | Killed an ancient lich
249042 | Zig:26   | Killed a dread lich
249043 | Zig:26   | Noticed an ancient lich
249043 | Zig:26   | Killed an ancient lich
249045 | Zig:26   | Killed an ancient lich
249045 | Zig:26   | Killed an ancient lich
249045 | Zig:26   | Killed a dread lich
249045 | Zig:26   | Killed an ancient lich
249047 | Zig:26   | Noticed an ancient lich
249047 | Zig:26   | Noticed a dread lich
249048 | Zig:26   | Killed an ancient lich
249048 | Zig:26   | Killed a dread lich
249048 | Zig:26   | Noticed an ancient lich
249050 | Zig:26   | Killed an ancient lich
249050 | Zig:26   | Killed a dread lich
249052 | Zig:26   | Killed an ancient lich
249054 | Zig:26   | Killed an ancient lich
249057 | Zig:26   | Noticed a dread lich
249057 | Zig:26   | Noticed an ancient lich
249057 | Zig:26   | Killed an ancient lich
249058 | Zig:26   | Noticed a dread lich
249059 | Zig:26   | Noticed a dread lich
249061 | Zig:26   | HP: 8/199 [reaper/+5 scythe of distortion (17)]
249063 | Zig:26   | Killed an ancient lich
249064 | Zig:26   | Noticed an ancient lich
249064 | Zig:26   | Noticed a dread lich
249065 | Zig:26   | Noticed an ancient lich
249066 | Zig:26   | Noticed an ancient lich
249066 | Zig:26   | HP: 8/199 [??? (1)]
249070 | Zig:26   | Noticed a dread lich
249070 | Zig:26   | Killed from afar by a balrug (9 damage)
                  | ... with a bolt of fire
                  | ... summoned by a dread lich
249072 | Zig:26   | Noticed an ancient lich
249072 | Zig:26   | Noticed a dread lich
249072 | Zig:26   | Killed a dread lich
249073 | Zig:26   | Noticed a dread lich
249073 | Zig:26   | Killed a dread lich
249073 | Zig:26   | Killed an ancient lich
249075 | Zig:26   | Noticed a dread lich
249076 | Zig:26   | Killed a dread lich
249077 | Zig:26   | Killed an ancient lich
249079 | Zig:26   | Killed an ancient lich
249080 | Zig:26   | Killed an ancient lich
249080 | Zig:26   | Killed a dread lich
249080 | Zig:26   | Killed a dread lich
249081 | Zig:26   | Killed a dread lich
249081 | Zig:26   | Noticed an ancient lich
249083 | Zig:26   | Noticed a dread lich
249085 | Zig:26   | Noticed an ancient lich
249085 | Zig:26   | Noticed an ancient lich
249086 | Zig:26   | Killed a dread lich
249087 | Zig:26   | Killed a dread lich
249087 | Zig:26   | Killed an ancient lich
249087 | Zig:26   | Killed an ancient lich
249088 | Zig:26   | Killed a dread lich
249088 | Zig:26   | Noticed an ancient lich
249088 | Zig:26   | Noticed an ancient lich
249088 | Zig:26   | Noticed a dread lich
249089 | Zig:26   | Noticed an ancient lich
249089 | Zig:26   | Noticed an ancient lich
249091 | Zig:26   | Noticed an ancient lich
249091 | Zig:26   | Killed an ancient lich
249091 | Zig:26   | Killed an ancient lich
249091 | Zig:26   | Killed a dread lich
249093 | Zig:26   | Noticed a dread lich
249094 | Zig:26   | HP: 8/199 [bone dragon (4)]
249095 | Zig:26   | Killed from afar by an ancient lich (58 damage)
                  | ... with a crystal spear
249096 | Zig:26   | Killed an ancient lich
249097 | Zig:26   | Killed a dread lich
249098 | Zig:26   | Killed an ancient lich
249098 | Zig:26   | Killed an ancient lich
249098 | Zig:26   | Killed an ancient lich
249101 | Zig:26   | Killed a dread lich
249101 | Zig:26   | Killed an ancient lich
249103 | Zig:26   | Noticed an ancient lich
249120 | Zig:26   | Killed an ancient lich
249496 | Zig:26   | Identified the ring "Agoatemo" {rC+ Dex+6}
249498 | Zig:26   | Identified the +0 ring mail "Ilel" {Dex+4 Stlth+}
249501 | Zig:26   | Identified the ring "Enoe" {Fire Will++ Int-3 Dex+4}
249504 | Zig:26   | Identified the +1 scimitar "Usuileipt" {flame, *Rage rPois
                  | rC+ rN++ Dex-2}
249505 | Zig:26   | Identified the +7 falchion "Xoseenox" {heavy, rN+++ MP+9
                  | Int+3 Dex-5}
249510 | Zig:26   | Identified the +1 acid dragon scales of Precision
                  | Catastrophes {rCorr Stlth+}
249512 | Zig:26   | Identified the +0 ring mail of the Endless Expanse {Str+3}
249515 | Zig:26   | Identified the +1 great sword of Fear {flame, rElec rF+
                  | rCorr Int-5}
249536 | Zig:26   | Identified the amulet of Dishonour {Reflect Rampage Str+4
                  | SH+5 Stlth+}
249537 | Zig:26   | Identified the +2 ring mail of the Trees {Rampage rC- Int-2
                  | Dex+4}
249541 | Zig:26   | Identified the +5 executioner's axe of Anxiety {elec, rC-
                  | Int+6}
249556 | Zig:26   | Identified the +12 scimitar of Tuanaec {heavy, *Noise rF+
                  | Stlth+}
249565 | Zig:26   | Identified the +5 demon whip "Jycel" {venom, rC+ Str+5}
249597 | Zig:27   | Entered Level 27 of a ziggurat
249597 | Zig:27   | Noticed a juggernaut
249597 | Zig:27   | Noticed a juggernaut
249597 | Zig:27   | Noticed a juggernaut
249597 | Zig:27   | Noticed a juggernaut
249597 | Zig:27   | Noticed a juggernaut
249597 | Zig:27   | Noticed a juggernaut
249597 | Zig:27   | Noticed a juggernaut
249597 | Zig:27   | Noticed a juggernaut
249600 | Zig:27   | Killed a juggernaut
249600 | Zig:27   | Killed a juggernaut
249600 | Zig:27   | Killed a juggernaut
249600 | Zig:27   | Noticed a juggernaut
249601 | Zig:27   | Noticed a juggernaut
249601 | Zig:27   | Noticed a juggernaut
249601 | Zig:27   | Noticed a juggernaut
249601 | Zig:27   | Noticed a juggernaut
249601 | Zig:27   | Noticed a juggernaut
249601 | Zig:27   | Noticed a juggernaut
249601 | Zig:27   | Noticed a juggernaut
249601 | Zig:27   | Killed a juggernaut
249601 | Zig:27   | Killed a juggernaut
249602 | Zig:27   | Noticed a juggernaut
249602 | Zig:27   | Noticed a juggernaut
249602 | Zig:27   | Noticed a juggernaut
249602 | Zig:27   | Noticed a juggernaut
249602 | Zig:27   | Noticed a juggernaut
249602 | Zig:27   | Noticed a juggernaut
249602 | Zig:27   | Noticed a juggernaut
249602 | Zig:27   | Noticed a juggernaut
249602 | Zig:27   | Noticed a juggernaut
249602 | Zig:27   | Noticed a juggernaut
249602 | Zig:27   | Noticed a juggernaut
249603 | Zig:27   | Noticed a juggernaut
249603 | Zig:27   | Noticed a juggernaut
249603 | Zig:27   | Noticed a juggernaut
249603 | Zig:27   | Noticed a juggernaut
249603 | Zig:27   | Killed a juggernaut
249603 | Zig:27   | Killed a juggernaut
249603 | Zig:27   | Killed a juggernaut
249603 | Zig:27   | Noticed a juggernaut
249603 | Zig:27   | Noticed a juggernaut
249604 | Zig:27   | Killed a juggernaut
249604 | Zig:27   | Killed a juggernaut
249604 | Zig:27   | Killed a juggernaut
249604 | Zig:27   | Killed a juggernaut
249604 | Zig:27   | Killed a juggernaut
249604 | Zig:27   | Noticed a juggernaut
249604 | Zig:27   | Noticed a juggernaut
249605 | Zig:27   | Killed a juggernaut
249605 | Zig:27   | Killed a juggernaut
249605 | Zig:27   | Killed a juggernaut
249606 | Zig:27   | Killed a juggernaut
249606 | Zig:27   | Killed a juggernaut
249607 | Zig:27   | Killed a juggernaut
249607 | Zig:27   | Killed a juggernaut
249607 | Zig:27   | Killed a juggernaut
249607 | Zig:27   | Killed a juggernaut
249608 | Zig:27   | Killed a juggernaut
249608 | Zig:27   | Noticed a juggernaut
249608 | Zig:27   | Noticed a juggernaut
249608 | Zig:27   | Noticed a juggernaut
249609 | Zig:27   | Killed a juggernaut
249609 | Zig:27   | Killed a juggernaut
249609 | Zig:27   | Noticed a juggernaut
249610 | Zig:27   | Killed a juggernaut
249610 | Zig:27   | Noticed a juggernaut
249610 | Zig:27   | Noticed a juggernaut
249610 | Zig:27   | Noticed a juggernaut
249611 | Zig:27   | Killed a juggernaut
249611 | Zig:27   | Killed a juggernaut
249611 | Zig:27   | Killed a juggernaut
249611 | Zig:27   | Killed a juggernaut
249613 | Zig:27   | Noticed a juggernaut
249614 | Zig:27   | Killed a juggernaut
249614 | Zig:27   | Killed a juggernaut
249614 | Zig:27   | Noticed a juggernaut
249615 | Zig:27   | Killed a juggernaut
249616 | Zig:27   | Noticed a juggernaut
249617 | Zig:27   | Killed a juggernaut
249618 | Zig:27   | Noticed a juggernaut
249619 | Zig:27   | Killed a juggernaut
249621 | Zig:27   | Noticed a juggernaut
249621 | Zig:27   | Killed a juggernaut
249621 | Zig:27   | Killed a juggernaut
249622 | Zig:27   | Noticed a juggernaut
249623 | Zig:27   | Noticed a juggernaut
249625 | Zig:27   | Killed a juggernaut
249625 | Zig:27   | Killed a juggernaut
249625 | Zig:27   | Killed a juggernaut
249626 | Zig:27   | Killed a juggernaut
249626 | Zig:27   | Killed a juggernaut
249626 | Zig:27   | Killed a juggernaut
249627 | Zig:27   | Killed a juggernaut
249629 | Zig:27   | Killed a juggernaut
249630 | Zig:27   | Killed a juggernaut
249631 | Zig:27   | Killed a juggernaut
249634 | Zig:27   | Killed a juggernaut
249636 | Zig:27   | Killed a juggernaut
250053 | Zig:27   | Identified the ring of Moral Flaws {rPois Will+}
250074 | Zig:27   | Identified the ring "Rubloibe" {rN++ MP-9 EV+5}
250082 | Zig:27   | Identified the amulet of Hoaheoh {RegenMP rPois}
250093 | Zig:27   | Identified the +8 scimitar of Superiority {freeze, Dex+2}
250102 | Zig:27   | Identified the ring of Laimaufo {rF+++ rC+++ rN+ Will-
                  | Dex-2}
250107 | Zig:27   | Identified the amulet "Zedix" {Faith Dex+3 Slay+3}
250113 | Zig:27   | Identified the quicksilver dragon scales of Inysast {Contam
                  | Will+ rCorr Int+2 Dex+3}
250115 | Zig:27   | Identified the +4 scale mail of Recklessness {Str+7}
250118 | Zig:27   | Identified the +1 robe of Wu Jian's Condemnation {MP+9
                  | Dex+5}
250125 | Zig:27   | Identified the +7 quarterstaff "Saitzi Hiets" {venom, Str+3
                  | SInv}
250127 | Zig:27   | Identified the +0 cloak of Yzefeattum {Fly Int+7 Dex-2}
250143 | Zig:27   | Identified the staff of conjuration "Batedaogh" {Will+}
250151 | Zig:27   | Identified the ring "Kian" {+Blink rC+ Dex+5}
250152 | Zig:27   | Identified the +1 dire flail "Cosyitat" {heavy, rElec rC+
                  | Will+ Int-2 Stlth+}
250154 | Zig:27   | Identified the staff of cold "Yntuin" {rPois rC+ rN+
                  | Stlth+}
250161 | Zig:27   | Identified the +5 pearl dragon scales "Refafrom" {rN+ rCorr
                  | Int-4 Dex+7}
250169 | Zig:27   | Identified the +0 scimitar "Rurom" {heavy, rF- rN++ Will+
                  | Int+6}
250173 | Zig:27   | Identified the staff of conjuration "Lodarublia" {Int+3}
250179 | Zig:27   | Identified the staff of fire "Xublinte" {rF+ Str+3}
250281 | Zig:1    | Entered Level 1 of a ziggurat
250281 | Zig:1    | Noticed a dread lich
250281 | Zig:1    | Noticed a dread lich
250281 | Zig:1    | Noticed an ancient lich
250281 | Zig:1    | Noticed a dread lich
250281 | Zig:1    | Noticed a dread lich
250282 | Zig:1    | Killed a dread lich
250284 | Zig:1    | Killed a dread lich
250285 | Zig:1    | Killed an ancient lich
250286 | Zig:1    | Killed a dread lich
250288 | Zig:1    | Killed a dread lich
250372 | Zig:2    | Entered Level 2 of a ziggurat
250401 | Zig:2    | Killed a starcursed mass
250658 | Zig:2    | Identified the +8 scimitar of Conscience {freeze, rF+ Will+
                  | Dex+4}
250666 | Zig:3    | Entered Level 3 of a ziggurat
250666 | Zig:3    | Noticed Eqosi the pandemonium lord
250666 | Zig:3    | Noticed Nistepse the pandemonium lord
250666 | Zig:3    | Noticed Faxoteq the pandemonium lord
250666 | Zig:3    | Noticed Fohim the pandemonium lord
250666 | Zig:3    | Noticed Ninoem the pandemonium lord
250666 | Zig:3    | Noticed Usubrapn the pandemonium lord
250666 | Zig:3    | Noticed Taffobla the pandemonium lord
250666 | Zig:3    | Noticed Zoixkemm the pandemonium lord
250666 | Zig:3    | Noticed Gacowasch the pandemonium lord
250667 | Zig:3    | Killed Nistepse the pandemonium lord
250668 | Zig:3    | Banished Tewise the pandemonium lord
250671 | Zig:3    | Killed Ninoem the pandemonium lord
250673 | Zig:3    | Killed Zoixkemm the pandemonium lord
250673 | Zig:3    | Killed Faxoteq the pandemonium lord
250673 | Zig:3    | Killed Eqosi the pandemonium lord
250673 | Zig:3    | Killed Fohim the pandemonium lord
250674 | Zig:3    | Killed Taffobla the pandemonium lord
250675 | Zig:3    | Killed Gacowasch the pandemonium lord
250688 | Zig:3    | Killed Usubrapn the pandemonium lord
250691 | Zig:3    | Identified the ring "Daragrit" {rF+ rC+ rN+ Will- Str+2}
250965 | Zig:4    | Entered Level 4 of a ziggurat
251235 | Zig:4    | Identified the +1 flail of Cocsah {freeze, Int+3}
251239 | Zig:5    | Entered Level 5 of a ziggurat
251279 | Zig:6    | Entered Level 6 of a ziggurat
251588 | Zig:6    | Identified the +5 battleaxe "Wall" {speed, rF- rN+ Will+
                  | Dex+4}
251624 | Zig:6    | Identified the +11 scimitar "Tiodgh" {heavy, Will+ Dex+2}
251626 | Zig:6    | Identified the staff of cold "Rahoj" {Fly rC+ rN+ Int-5
                  | SInv}
251633 | Zig:6    | Identified the ring "Adauhat" {rF- Will+ rCorr Stlth+}
251658 | Zig:7    | Entered Level 7 of a ziggurat
251658 | Zig:7    | Noticed Jemasset the pandemonium lord
251658 | Zig:7    | Noticed Yrchum Ujiop the pandemonium lord
251658 | Zig:7    | Noticed Jyak the pandemonium lord
251658 | Zig:7    | Noticed Etuoc the pandemonium lord
251658 | Zig:7    | Noticed Jiashrom the pandemonium lord
251658 | Zig:7    | Noticed Hiolum the pandemonium lord
251658 | Zig:7    | Noticed Ateurghiu the pandemonium lord
251658 | Zig:7    | Noticed Batzum the pandemonium lord
251658 | Zig:7    | Noticed Etarasecw the pandemonium lord
251658 | Zig:7    | Noticed Poemen the pandemonium lord
251658 | Zig:7    | Noticed Foubapnie the pandemonium lord
251658 | Zig:7    | Noticed Ciuntuec the pandemonium lord
251658 | Zig:7    | Noticed Arphes the pandemonium lord
251658 | Zig:7    | Noticed Fir Soa the pandemonium lord
251658 | Zig:7    | Noticed Exam Tefu the pandemonium lord
251658 | Zig:7    | Noticed Nehueptu the pandemonium lord
251658 | Zig:7    | Noticed Ryidd the pandemonium lord
251660 | Zig:7    | Noticed Ytozi the pandemonium lord
251660 | Zig:7    | Noticed Plog the pandemonium lord
251660 | Zig:7    | Noticed Boepriri the pandemonium lord
251660 | Zig:7    | Noticed Obemeuhe the pandemonium lord
251661 | Zig:7    | Noticed Redwuakh the pandemonium lord
251661 | Zig:7    | Noticed Coboe the pandemonium lord
251667 | Zig:7    | Noticed Ycwel the pandemonium lord
251668 | Zig:7    | Noticed Iganymoiji the pandemonium lord
251668 | Zig:7    | Killed Jyak the pandemonium lord
251668 | Zig:7    | Killed Fir Soa the pandemonium lord
251668 | Zig:7    | Killed Etuoc the pandemonium lord
251670 | Zig:7    | Noticed Ysiupur the pandemonium lord
251671 | Zig:7    | Killed Exam Tefu the pandemonium lord
251673 | Zig:7    | Killed Foubapnie the pandemonium lord
251673 | Zig:7    | Killed Jemasset the pandemonium lord
251673 | Zig:7    | Killed Ateurghiu the pandemonium lord
251673 | Zig:7    | Killed Nehueptu the pandemonium lord
251674 | Zig:7    | Killed Obemeuhe the pandemonium lord
251674 | Zig:7    | Killed Ytozi the pandemonium lord
251675 | Zig:7    | Killed Poemen the pandemonium lord
251675 | Zig:7    | Killed Arphes the pandemonium lord
251675 | Zig:7    | Noticed Dahy the pandemonium lord
251675 | Zig:7    | Noticed Istrogasiu the pandemonium lord
251676 | Zig:7    | Killed Redwuakh the pandemonium lord
251677 | Zig:7    | Killed Yrchum Ujiop the pandemonium lord
251677 | Zig:7    | Killed Jiashrom the pandemonium lord
251678 | Zig:7    | Killed Plog the pandemonium lord
251678 | Zig:7    | Killed Etarasecw the pandemonium lord
251678 | Zig:7    | Killed Ryidd the pandemonium lord
251679 | Zig:7    | Killed Iganymoiji the pandemonium lord
251682 | Zig:7    | Noticed Arupsi the pandemonium lord
251682 | Zig:7    | Killed Boepriri the pandemonium lord
251682 | Zig:7    | Killed Coboe the pandemonium lord
251690 | Zig:7    | Killed Batzum the pandemonium lord
251696 | Zig:7    | Killed Ycwel the pandemonium lord
251729 | Zig:7    | Killed Ysiupur the pandemonium lord
251741 | Zig:7    | Killed Hiolum the pandemonium lord
251754 | Zig:7    | Killed Istrogasiu the pandemonium lord
251761 | Zig:7    | Killed Arupsi the pandemonium lord
251762 | Zig:7    | Killed Ciuntuec the pandemonium lord
251768 | Zig:7    | Killed Dahy the pandemonium lord
252173 | Zig:7    | Identified the ring of Liberalism {Will++ Str+3 Int+6}
252176 | Zig:7    | Identified the ring "Vatuj" {EV+5 Str+2 Int+2 Stlth+}
252178 | Zig:7    | Identified the +1 longbow "Demon's Bane" {heavy, Contam
                  | Will+ Str+2 Int+4}
252181 | Zig:7    | Identified the +3 ring mail "Poylacag" {+Inv Fly Dex-5}
252184 | Zig:7    | Identified the +6 hand axe of Vyuwocei {freeze, rCorr
                  | Stlth+}
252197 | Zig:7    | Identified the +0 great mace of Omyr {spect, rElec rCorr
                  | Dex+2}
252205 | Zig:8    | Entered Level 8 of a ziggurat
252372 | Zig:8    | Identified the staff of death "Lyph" {rPois rN+ MP+9 Dex-4}
252377 | Zig:8    | Identified the +11 dagger "Seum" {drain, Dex+3}
252379 | Zig:8    | Identified the +1 robe "Zaocof" {rPois Stlth+}
252380 | Zig:8    | Identified the +9 short sword of the Shining One {holy,
                  | Str+5}
252385 | Zig:9    | Entered Level 9 of a ziggurat
252699 | Zig:9    | Identified the ring "Genon" {rPois rC+ Str+2}
252701 | Zig:9    | Identified the +1 kite shield of Midnight {Int+4}
252722 | Zig:10   | Entered Level 10 of a ziggurat
252722 | Zig:10   | Noticed a dread lich
252723 | Zig:10   | Noticed an ancient lich
252723 | Zig:10   | Noticed an ancient lich
252727 | Zig:10   | Killed a dread lich
252728 | Zig:10   | Killed an ancient lich
252728 | Zig:10   | Killed an ancient lich
252739 | Zig:10   | Identified the ring "Veroodet" {Ice rN+ Dex+3 Stlth+}
253173 | Zig:10   | Identified the ring of Twilight {rElec rCorr MP+9 SInv}
253179 | Zig:10   | Identified the +8 hand axe "Georghot" {flame, rElec Int+3}
253188 | Zig:10   | Acquired the +8 shadow dragon scales "Ymera Cigu" {+Blink
                  | rC+ Will- MP+9 Stlth++++}
253203 | Zig:10   | Identified the ring of Jadaph {Wiz rElec SInv}
253216 | Zig:11   | Entered Level 11 of a ziggurat
253216 | Zig:11   | Noticed a royal mummy
253216 | Zig:11   | Noticed a royal mummy
253216 | Zig:11   | Noticed a royal mummy
253216 | Zig:11   | Noticed a royal mummy
253216 | Zig:11   | Noticed a royal mummy
253216 | Zig:11   | Noticed a royal mummy
253216 | Zig:11   | Noticed a royal mummy
253216 | Zig:11   | Noticed a royal mummy
253216 | Zig:11   | Noticed a royal mummy
253216 | Zig:11   | Noticed a royal mummy
253216 | Zig:11   | Noticed a royal mummy
253216 | Zig:11   | Noticed a royal mummy
253217 | Zig:11   | Noticed a royal mummy
253217 | Zig:11   | Noticed a royal mummy
253218 | Zig:11   | HP: 7/199 [something (11)]
253218 | Zig:11   | Killed by a mummy priest's death curse (14 damage)
253219 | Zig:11   | Killed a royal mummy
253219 | Zig:11   | Killed a royal mummy
253219 | Zig:11   | Noticed a royal mummy
253219 | Zig:11   | Noticed a royal mummy
253220 | Zig:11   | Killed a royal mummy
253220 | Zig:11   | Killed a royal mummy
253221 | Zig:11   | Killed a royal mummy
253221 | Zig:11   | Killed a royal mummy
253221 | Zig:11   | Noticed a royal mummy
253221 | Zig:11   | Noticed a royal mummy
253221 | Zig:11   | Killed a royal mummy
253222 | Zig:11   | Noticed a royal mummy
253223 | Zig:11   | Killed a royal mummy
253223 | Zig:11   | Killed a royal mummy
253223 | Zig:11   | Killed a royal mummy
253223 | Zig:11   | Killed a royal mummy
253224 | Zig:11   | Killed by a guardian mummy's death curse (10 damage)
253224 | Zig:11   | Killed a royal mummy
253224 | Zig:11   | Noticed a royal mummy
253225 | Zig:11   | Killed a royal mummy
253226 | Zig:11   | Noticed a royal mummy
253229 | Zig:11   | Killed a royal mummy
253229 | Zig:11   | Killed a royal mummy
253229 | Zig:11   | Killed a royal mummy
253229 | Zig:11   | HP: 9/199 [something (18)]
253229 | Zig:11   | Killed by a royal mummy's death curse (12 damage)
253229 | Zig:11   | Noticed a royal mummy
253230 | Zig:11   | Noticed a royal mummy
253232 | Zig:11   | Killed a royal mummy
253232 | Zig:11   | Killed a royal mummy
253232 | Zig:11   | Killed a royal mummy
253234 | Zig:11   | Killed a royal mummy
253234 | Zig:11   | Noticed a royal mummy
253235 | Zig:11   | HP: 4/199 [royal mummy/divine providence (8)]
253235 | Zig:11   | Noticed a royal mummy
253237 | Zig:11   | Killed by divine providence
                  | ... invoked by a royal mummy
                  | (8 damage)
253239 | Zig:11   | Killed a royal mummy
253240 | Zig:11   | Killed a royal mummy
253242 | Zig:11   | Killed a royal mummy
253244 | Zig:11   | Noticed a royal mummy
253244 | Zig:11   | Noticed a royal mummy
253245 | Zig:11   | Noticed a royal mummy
253247 | Zig:11   | Killed a royal mummy
253247 | Zig:11   | Killed by a guardian mummy's death curse (18 damage)
253247 | Zig:11   | Noticed a royal mummy
253248 | Zig:11   | Killed a royal mummy
253249 | Zig:11   | Noticed a royal mummy
253254 | Zig:11   | Killed a royal mummy
253254 | Zig:11   | Killed a royal mummy
253256 | Zig:11   | Killed a royal mummy
253256 | Zig:11   | HP: 2/199 [something (16)]
253257 | Zig:11   | Killed a royal mummy
253257 | Zig:11   | Killed by a royal mummy's death curse (16 damage)
253257 | Zig:11   | Killed a royal mummy
253258 | Zig:11   | Noticed a royal mummy
253267 | Zig:11   | Killed a royal mummy
253347 | Zig:11   | Identified the staff of poison "Fibrum" {rPois rF- Str+5}
253353 | Zig:11   | Identified the +3 arbalest "Uthray" {antimagic, rElec rPois
                  | rCorr Str+3}
253355 | Zig:11   | Identified the +3 battleaxe "Goblinbane" {flame, rElec
                  | rCorr Int+3 Stlth-}
253361 | Zig:11   | Identified the ring "Zihioves" {Ice Stlth+}
253399 | Zig:12   | Entered Level 12 of a ziggurat
253399 | Zig:12   | Noticed a juggernaut
253399 | Zig:12   | Noticed a juggernaut
253399 | Zig:12   | Noticed a juggernaut
253399 | Zig:12   | Noticed a juggernaut
253399 | Zig:12   | Noticed a juggernaut
253399 | Zig:12   | Noticed a juggernaut
253401 | Zig:12   | Noticed a juggernaut
253401 | Zig:12   | Noticed a juggernaut
253402 | Zig:12   | Noticed a juggernaut
253402 | Zig:12   | Noticed a juggernaut
253402 | Zig:12   | Noticed a juggernaut
253402 | Zig:12   | Noticed a juggernaut
253402 | Zig:12   | Noticed a juggernaut
253402 | Zig:12   | Noticed a juggernaut
253404 | Zig:12   | Noticed a juggernaut
253404 | Zig:12   | Killed a juggernaut
253404 | Zig:12   | Killed a juggernaut
253404 | Zig:12   | Killed a juggernaut
253405 | Zig:12   | Killed a juggernaut
253406 | Zig:12   | Noticed a juggernaut
253406 | Zig:12   | Noticed a juggernaut
253407 | Zig:12   | Killed a juggernaut
253407 | Zig:12   | Killed a juggernaut
253407 | Zig:12   | Killed a juggernaut
253409 | Zig:12   | Killed a juggernaut
253409 | Zig:12   | Killed a juggernaut
253411 | Zig:12   | Killed a juggernaut
253411 | Zig:12   | Killed a juggernaut
253412 | Zig:12   | Killed a juggernaut
253413 | Zig:12   | Killed a juggernaut
253414 | Zig:12   | Killed a juggernaut
253416 | Zig:12   | Killed a juggernaut
253416 | Zig:12   | Killed a juggernaut
253421 | Zig:12   | Killed a juggernaut
253532 | Zig:12   | Identified the staff of earth "Quxtea" {Will+ Int+2}
253565 | Zig:12   | Identified the +0 short sword of the Valley of Death
                  | {heavy, Str+4}
253566 | Zig:12   | Identified the +1 robe of the Saviour {Str+3 Int+2 Dex-5}
253567 | Zig:12   | Identified the +0 ring mail of the Silly Lion {-Tele rN+
                  | Dex+4}
253573 | Zig:12   | Identified the staff of fire "Meemesk" {rF+ Stlth+}
253586 | Zig:13   | Entered Level 13 of a ziggurat
253593 | Zig:13   | HP: 1/199 [wendigo/seracfall (33)]
254077 | Zig:13   | Identified the +2 ring mail of the Ditch-Digger {rCorr}
254080 | Zig:13   | Identified the staff of fire "Heresh" {rF+ Str+8 Dex+2}
254081 | Zig:13   | Identified the +1 cloak of the Blessed Realm {rC+ Regen+
                  | Str+2}
254094 | Zig:13   | Identified the +1 scale mail of Agoraphobia {rC+ Str+3
                  | Dex+2}
254100 | Zig:13   | Identified the amulet of Negatah {Reflect rC+ SH+5}
254107 | Zig:13   | Identified the +4 kite shield "Kiaqid" {*Corrode +Blink
                  | rPois rF+}
254108 | Zig:13   | Identified the +2 arbalest of Gautsaxa {freeze, rElec}
254116 | Zig:13   | Identified the staff of cold "Geygacim" {Fly rC+ rCorr
                  | Str+2}
254117 | Zig:13   | Identified the ring of Mariom {rCorr Int+4}
254124 | Zig:13   | Identified the amulet "Micraif" {Spirit rN+ rCorr Str+3}
254126 | Zig:13   | Identified the +1 rapier of Yredelemnul, Holding {venom,
                  | *Rage rElec rPois Stlth+}
254167 | Zig:14   | Entered Level 14 of a ziggurat
254176 | Zig:14   | Killed from afar by a frost giant (21 damage)
                  | ... with a bolt of cold
254184 | Zig:14   | HP: 7/199 [something/bolt of cold (21)]
254186 | Zig:14   | Killed from afar by a white draconian knight (9 damage)
                  | ... with a blast of cold
254502 | Zig:14   | Identified the +6 dagger of Syigguy {freeze, Str+4}
254513 | Zig:14   | Identified the +0 helmet of the Valley of Death {Will+
                  | Str+2 Slay-2}
254529 | Zig:14   | Identified the +10 morningstar "Cupeomac" {heavy, rF+ Str+2
                  | Int+4 Stlth+}
254541 | Zig:14   | Identified the +0 leather armour of the Past {Harm rC+
                  | Str-3 Slay+2}
254556 | Zig:14   | Identified the +0 scale mail "Haorruw" {Dex+2}
254585 | Zig:15   | Entered Level 15 of a ziggurat
254867 | Zig:15   | Identified the ring of Mueluthragu {Contam rC+ rN+ Will+}
254869 | Zig:15   | Identified the +6 double sword "Cojadume" {elec, +Blink}
254870 | Zig:15   | Identified the orb of Haunted Amelioration {guile, rC+}
254872 | Zig:15   | Identified the +1 leather armour of Hopscotch {rF+ Int+2}
254873 | Zig:15   | Identified the +1 spear of Cataclysm {flame, *Rage rElec
                  | Str+6 Int-2}
254874 | Zig:15   | Identified the +5 glaive of Spontaneous Combustion {venom,
                  | *Rage +Blink rElec rCorr}
254876 | Zig:15   | Identified the staff of conjuration "Yninkovu" {rPois}
254905 | Zig:16   | Entered Level 16 of a ziggurat
254915 | Zig:16   | Slain by an iron golem (21 damage)
255081 | Zig:16   | Identified the +3 scale mail of Utal {Will+}
255358 | Zig:16   | Identified the staff of air "Buhitzuhiaf" {rElec Int+3
                  | Dex+4}
255361 | Zig:16   | Identified the staff of poison "Yshoig" {rPois rN+ Int+2}
255368 | Zig:16   | Identified the staff of earth "Paeg" {Str+3 Int-4 Dex+2}
255370 | Zig:16   | Identified the +2 glaive "Tuahufru" {heavy, rF+ Will++
                  | Str-5}
255388 | Zig:16   | Identified the staff of earth "Varaipho" {Drain rC++
                  | Will++}
255392 | Zig:16   | Identified the +1 dagger of Anguish {flame, rElec rN+}
255394 | Zig:16   | Identified the +5 lajatang "Uneyxosch" {spect, Drain rPois
                  | Dex+2}
255426 | Zig:17   | Entered Level 17 of a ziggurat
255435 | Zig:17   | HP: 9/199 [??? (1)]
255437 | Zig:17   | Paralysed by a wendigo for 1 turns
255438 | Zig:17   | HP: 3/199 [tormentor (3)]
255438 | Zig:17   | Killed from afar by an Ice Fiend (21 damage)
                  | ... with a bolt of cold
                  | ... while paralysed by a wendigo
255442 | Zig:17   | Paralysed by a wendigo for 1 turns
255448 | Zig:17   | Paralysed by a wendigo for 1 turns
255452 | Zig:17   | HP: 8/199 [arc of chain lightning (5)]
255453 | Zig:17   | Killed from afar by an Ice Fiend (13 damage)
                  | ... with a bolt of cold
255477 | Zig:17   | Killed from afar by a shard shrike (37 damage)
                  | ... with a shard of ice
255688 | Zig:17   | Identified the +2 short sword of Imbalance {freeze, Dex+2
                  | SInv}
255691 | Zig:17   | Identified the +0 flail "Gaotohum" {drain, Fly rPois Int-3
                  | Dex+4}
255692 | Zig:17   | Identified the staff of air "Lejoru Jodog" {rElec rF+ Str+3
                  | Int-3 Dex+6}
255696 | Zig:17   | Identified the +2 helmet "Cyokhid" {rElec MP+9 Int+7
                  | Slay-3}
255698 | Zig:17   | Identified the staff of earth "Tarhicem" {+Blink rN+ Dex+2}
255702 | Zig:17   | Identified the ring of the Fresh God {rElec rF+}
255706 | Zig:17   | Identified the +4 mace of Uncomfortable Rashes {freeze,
                  | Fragile rN+ Str+2 Dex+2}
255707 | Zig:17   | Identified the +9 great sword "Surph" {flame, rN+ Will-
                  | Int+4}
255712 | Zig:17   | Identified the +0 storm dragon scales of Rotten Birdsong
                  | {rElec rC+}
255718 | Zig:17   | Identified the staff of conjuration "Wungeet" {rF+ Str+2
                  | Dex+3 Stlth+}
255719 | Zig:17   | Acquired the +6 tower shield of Circular Logic {Int+4
                  | Dex+3}
255724 | Zig:18   | Entered Level 18 of a ziggurat
255726 | Zig:18   | Noticed an ancient lich
255727 | Zig:18   | Killed an ancient lich
255750 | Zig:18   | HP: 3/199 [smoke demon/divine providence (7)]
255751 | Zig:18   | Killed from afar by a Hell Sentinel (32 damage)
                  | ... with an iron shot
255761 | Zig:18   | Paralysed by accursed screaming for 1 turns
255777 | Zig:18   | Noticed a dread lich
255789 | Zig:18   | Killed a dread lich
255812 | Zig:18   | Killed from afar by a starcursed mass (17 damage)
                  | ... with an accursed screaming
255812 | Zig:18   | Paralysed by accursed screaming for 2 turns
256070 | Zig:18   | Identified the ring of Murr {rF- Str+4 Int+6 Dex+4}
256087 | Zig:18   | Identified the staff of conjuration "Fiubbegg" {Fragile
                  | rC+++ Will- Stlth+}
256092 | Zig:18   | Identified the +0 helmet of Sosu {Will+}
256094 | Zig:18   | Identified the amulet "Beneacw" {RegenMP *Slow rPois rCorr
                  | Str+6}
256099 | Zig:18   | Identified the +8 flail "Ox" {heavy, rElec Int+2}
256100 | Zig:18   | Identified the +2 falchion "Qottul" {flame, rPois}
256117 | Zig:18   | Identified the +1 leather armour "Bott" {rElec rCorr Int+2}
256147 | Zig:18   | Identified the +12 whip of Areaziplusk {flame, +Blink Str-3
                  | Dex+3}
256154 | Zig:18   | Identified the staff of earth "Jesal" {rCorr Str+5 Dex+5}
256203 | Zig:19   | Entered Level 19 of a ziggurat
256285 | Zig:19   | HP: 9/199 [water nymph/the raging water (13)]
256288 | Zig:19   | Killed by the raging water
                  | ... invoked by a water nymph
                  | (11 damage)
256321 | Zig:19   | Identified the ring "Dydwoshro" {rF+ rCorr}
256555 | Zig:19   | Identified the +2 long sword "Eviscerator" {heavy, rElec}
256560 | Zig:19   | Identified the +9 demon whip "Plog" {pain, rN++}
256571 | Zig:19   | Identified the +8 trident of Wounding {flame, rF+ rN+}
256594 | Zig:19   | Identified the +12 bardiche "Vyg Dagg" {venom, rPois rCorr
                  | MP+9 Int-5}
256596 | Zig:19   | Identified the +3 plate armour "Fiyx" {Rampage rPois rN+
                  | MP-9}
256609 | Zig:20   | Entered Level 20 of a ziggurat
256631 | Zig:20   | Paralysed by an air elemental for 1 turns
256642 | Zig:20   | HP: 7/199 [deep elf high priest/divine providence (10)]
256642 | Zig:20   | Killed from afar by a deep elf high priest (11 damage)
                  | ... with damnation
256664 | Zig:20   | Killed from afar by a deep elf high priest (34 damage)
                  | ... with damnation
256787 | Zig:20   | Identified the staff of conjuration "Odemunko" {Fly rElec
                  | Will+ Stlth+}
256942 | Zig:20   | Identified the +5 morningstar of Pandemonium {chaos, Str+3
                  | Stlth+}
256944 | Zig:20   | Identified the staff of air "Zeudiyha" {rElec Int+8 Dex-4}
256977 | Zig:21   | Entered Level 21 of a ziggurat
257030 | Zig:21   | HP: 6/199 [merfolk javelineer/silver javelin (5)]
257031 | Zig:21   | Hit by a silver javelin thrown by a merfolk javelineer (9
                  | damage)
257102 | Zig:21   | Identified the +1 chain mail of Evias {rF+ Str+4 Stlth+}
257258 | Zig:21   | Identified the ring of Ubrueqodyx {MP+9 AC+4 Dex+5}
257263 | Zig:21   | Identified the +0 long sword of Numib {drain, rElec Dex+3
                  | SInv}
257268 | Zig:21   | Identified the staff of poison "Voryuc" {Fly rPois rF+ rC++
                  | Str+2}
257270 | Zig:21   | Identified the amulet of Life {Faith rF+ Int+5}
257274 | Zig:21   | Identified the +10 mace of Understanding {flame, Str+3}
257277 | Zig:21   | Identified the staff of poison "Raeno" {rPois rCorr}
257278 | Zig:21   | Identified the amulet of Jiruedd {Regen+ rCorr Int+6}
257280 | Zig:21   | Identified the +6 falchion "Xenutec" {heavy, rPois rF-
                  | rC+++ Int+2}
257281 | Zig:21   | Identified the +11 trident "Uzajaulo" {heavy, *Rage Int+7}
257291 | Zig:21   | Identified the staff of conjuration "Dyviyff" {rPois Int+2
                  | Stlth+}
257292 | Zig:21   | Identified the +6 scimitar "Veracuoq" {speed, rN+ Int+2}
257299 | Zig:21   | Identified the +1 robe of Forking Paths {rC- Str+4 Int+2
                  | Dex+3}
257305 | Zig:21   | Identified the +2 whip of Hospitality {antimagic, rElec
                  | rPois Dex+4}
257314 | Zig:21   | Identified the staff of earth "Piotol" {rElec rC+ rCorr
                  | Str-4}
257336 | Zig:21   | Identified the +4 war axe "Mios" {flame, Fragile rElec
                  | rPois Will++}
257341 | Zig:21   | Identified the staff of fire "Ygajadof" {rF+ rC+}
257342 | Zig:21   | Identified the ring "Dugemo Upsia" {+Blink rN+ Slay+4
                  | Stlth-}
257349 | Zig:21   | Identified the amulet "Otwos" {RegenMP Fragile rElec rPois}
257352 | Zig:21   | Identified the +2 whip of Ukkeduj {protect, rN++ Int-2}
257358 | Zig:21   | Identified the +5 sling of Spontaneous Combustion {speed,
                  | rPois rN+ Int-2 Stlth+}
257369 | Zig:22   | Entered Level 22 of a ziggurat
257458 | Zig:22   | HP: 6/199 [something (11)]
257953 | Zig:22   | Identified the amulet of Nikk {Acrobat rElec rCorr Int+2
                  | Dex+3}
257961 | Zig:22   | Identified the +1 ring mail of Free Will {*Slow MP+9 Int+3
                  | Dex+6}
257968 | Zig:23   | Entered Level 23 of a ziggurat
257988 | Zig:23   | Paralysed by accursed screaming for 2 turns
258000 | Zig:23   | HP: 4/179 [smoke demon/divine providence (12)]
258001 | Zig:23   | Killed from afar by a Hell Sentinel (20 damage)
                  | ... with damnation
258012 | Zig:23   | Paralysed by accursed screaming for 2 turns
258020 | Zig:23   | Paralysed by accursed screaming for 1 turns
258027 | Zig:23   | Blown up by a lich (57 damage)
                  | ... with an orb of destruction
258202 | Zig:23   | Killed a starcursed mass
258304 | Zig:23   | Identified the +0 helmet "Omny" {MP-9 Dex+4}
258307 | Zig:23   | Identified the +1 war axe of the Vulture {heavy, rC+}
258627 | Zig:23   | Identified the staff of earth "Gaetokh" {Int+5}
258631 | Zig:23   | Identified the +0 chain mail "Paten" {SInv}
258633 | Zig:23   | Identified the ring of the Smoking Seeker {rF- Will++ rCorr
                  | Int+7}
258638 | Zig:23   | Identified the +1 mace "Bicit" {freeze, rN+ Will+ Int+3}
258644 | Zig:23   | Identified the +0 chain mail of Atheism {Rampage Will+
                  | Int+4 Slay-3}
258661 | Zig:23   | Identified the +3 chain mail "Upriludu" {rElec Dex+5}
258665 | Zig:23   | Identified the amulet "Momir" {rC++ Regen+ Int-4 Dex+3}
258671 | Zig:23   | Identified the staff of death "Xauhudon" {rC- rN+ Str+5}
258675 | Zig:23   | Identified the ring "Lebraj" {rC+ rN+ rCorr Slay+3}
258699 | Zig:23   | Identified the +2 halberd "Fuab" {pain, Int+9}
258713 | Zig:24   | Entered Level 24 of a ziggurat
258727 | Zig:24   | HP: 9/199 [Hell Sentinel (11)]
258727 | Zig:24   | Demolished by an iron golem (25 damage)
258727 | Zig:24   | Noticed a dread lich
258731 | Zig:24   | Killed a dread lich
258735 | Zig:24   | Noticed a dread lich
258745 | Zig:24   | Killed a dread lich
258745 | Zig:24   | HP: 7/199 [Hell Sentinel/iron shot (40)]
258745 | Zig:24   | HP: 1/199 [iron giant/crystal echidna (6)]
258745 | Zig:24   | Slain by a Hell Sentinel (6 damage)
258775 | Zig:24   | Noticed a dread lich
258779 | Zig:24   | Mangled by an iron golem (24 damage)
258781 | Zig:24   | Killed a dread lich
258847 | Zig:24   | HP: 1/199 [iron golem (14)]
258850 | Zig:24   | Slain by an iron golem (3 damage)
259109 | Zig:24   | Identified the +9 long sword of Moderation {protect, rF+
                  | Dex+3}
259114 | Zig:24   | Identified the ring of Ascent {Wiz rPois Dex+4}
259124 | Zig:24   | Identified the +3 hand crossbow of Greatest Utility {heavy,
                  | rC++ rCorr}
259132 | Zig:24   | Identified the +1 triple crossbow of Youthful Indiscretion
                  | {freeze, Dex+5}
259133 | Zig:24   | Identified the amulet of Iniwequm {Spirit Dex+4}
259136 | Zig:24   | Identified the +5 mace of Johuaffe {heavy, rF+ rC+ Str+3
                  | Stlth+}
259143 | Zig:24   | Identified the +3 crystal plate armour of Wekh {rPois rN+
                  | Str+2}
259146 | Zig:24   | Identified the ring of Qosuo {Str+4 Slay+4}
259148 | Zig:24   | Identified the +1 short sword "Ysuego" {pain, Contam rF++
                  | rC+ MP+9}
259152 | Zig:24   | Identified the staff of earth "Bimuniab" {Stlth+}
259179 | Zig:25   | Entered Level 25 of a ziggurat
259185 | Zig:25   | Noticed an ancient lich
259185 | Zig:25   | Noticed an ancient lich
259187 | Zig:25   | Noticed a dread lich
259187 | Zig:25   | Noticed an ancient lich
259188 | Zig:25   | Noticed a dread lich
259188 | Zig:25   | Noticed an ancient lich
259188 | Zig:25   | Noticed an ancient lich
259188 | Zig:25   | Noticed an ancient lich
259188 | Zig:25   | Noticed an ancient lich
259188 | Zig:25   | Noticed a dread lich
259188 | Zig:25   | Noticed an ancient lich
259188 | Zig:25   | Noticed an ancient lich
259188 | Zig:25   | Noticed a dread lich
259188 | Zig:25   | Noticed an ancient lich
259188 | Zig:25   | Noticed an ancient lich
259188 | Zig:25   | Noticed a dread lich
259188 | Zig:25   | Noticed an ancient lich
259188 | Zig:25   | Noticed a dread lich
259188 | Zig:25   | Noticed a dread lich
259191 | Zig:25   | Killed an ancient lich
259191 | Zig:25   | Killed an ancient lich
259191 | Zig:25   | Killed a dread lich
259191 | Zig:25   | Killed an ancient lich
259191 | Zig:25   | Killed an ancient lich
259191 | Zig:25   | Killed an ancient lich
259191 | Zig:25   | Killed an ancient lich
259191 | Zig:25   | Killed an ancient lich
259191 | Zig:25   | Killed a dread lich
259191 | Zig:25   | Killed a dread lich
259191 | Zig:25   | Killed an ancient lich
259191 | Zig:25   | Killed an ancient lich
259191 | Zig:25   | Killed a dread lich
259191 | Zig:25   | Killed an ancient lich
259192 | Zig:25   | Killed a dread lich
259192 | Zig:25   | Killed an ancient lich
259192 | Zig:25   | Killed a dread lich
259192 | Zig:25   | Noticed an ancient lich
259193 | Zig:25   | Killed an ancient lich
259193 | Zig:25   | Noticed an ancient lich
259194 | Zig:25   | Killed a dread lich
259194 | Zig:25   | Noticed an ancient lich
259194 | Zig:25   | Noticed an ancient lich
259194 | Zig:25   | Noticed an ancient lich
259195 | Zig:25   | Noticed an ancient lich
259195 | Zig:25   | Noticed a dread lich
259195 | Zig:25   | Noticed an ancient lich
259195 | Zig:25   | Noticed an ancient lich
259195 | Zig:25   | Noticed a dread lich
259195 | Zig:25   | Noticed an ancient lich
259195 | Zig:25   | Killed by divine providence
                  | ... invoked by a sphinx
                  | (14 damage)
259196 | Zig:25   | Noticed a dread lich
259196 | Zig:25   | Noticed an ancient lich
259196 | Zig:25   | Noticed a dread lich
259196 | Zig:25   | Noticed a dread lich
259196 | Zig:25   | Noticed an ancient lich
259196 | Zig:25   | Noticed an ancient lich
259196 | Zig:25   | Noticed an ancient lich
259197 | Zig:25   | Killed an ancient lich
259197 | Zig:25   | Killed an ancient lich
259197 | Zig:25   | Killed a dread lich
259197 | Zig:25   | Noticed an ancient lich
259198 | Zig:25   | Noticed a dread lich
259198 | Zig:25   | Noticed a dread lich
259199 | Zig:25   | Noticed a dread lich
259202 | Zig:25   | Killed an ancient lich
259202 | Zig:25   | Killed a dread lich
259202 | Zig:25   | Noticed an ancient lich
259202 | Zig:25   | Noticed a dread lich
259203 | Zig:25   | Noticed a dread lich
259203 | Zig:25   | Noticed an ancient lich
259203 | Zig:25   | Killed an ancient lich
259203 | Zig:25   | Killed an ancient lich
259203 | Zig:25   | Killed an ancient lich
259203 | Zig:25   | Noticed a dread lich
259203 | Zig:25   | Noticed an ancient lich
259204 | Zig:25   | Killed an ancient lich
259204 | Zig:25   | Killed an ancient lich
259204 | Zig:25   | Killed an ancient lich
259204 | Zig:25   | Killed a dread lich
259204 | Zig:25   | Killed a dread lich
259206 | Zig:25   | Killed an ancient lich
259206 | Zig:25   | Killed a dread lich
259206 | Zig:25   | Noticed an ancient lich
259206 | Zig:25   | Noticed a dread lich
259206 | Zig:25   | Noticed a dread lich
259206 | Zig:25   | Noticed a dread lich
259208 | Zig:25   | Killed an ancient lich
259208 | Zig:25   | Killed an ancient lich
259208 | Zig:25   | Noticed an ancient lich
259209 | Zig:25   | Noticed a dread lich
259209 | Zig:25   | Noticed a dread lich
259209 | Zig:25   | Noticed an ancient lich
259209 | Zig:25   | Noticed a dread lich
259209 | Zig:25   | Noticed a dread lich
259209 | Zig:25   | Noticed a dread lich
259210 | Zig:25   | Noticed an ancient lich
259210 | Zig:25   | Killed a dread lich
259210 | Zig:25   | Noticed an ancient lich
259210 | Zig:25   | Noticed an ancient lich
259211 | Zig:25   | Killed a dread lich
259213 | Zig:25   | Noticed a dread lich
259213 | Zig:25   | Noticed an ancient lich
259213 | Zig:25   | Killed a dread lich
259213 | Zig:25   | Killed an ancient lich
259213 | Zig:25   | Killed an ancient lich
259214 | Zig:25   | Killed a dread lich
259214 | Zig:25   | Killed an ancient lich
259215 | Zig:25   | Killed an ancient lich
259215 | Zig:25   | Killed an ancient lich
259216 | Zig:25   | Noticed an ancient lich
259216 | Zig:25   | Noticed an ancient lich
259216 | Zig:25   | Noticed a dread lich
259216 | Zig:25   | Killed a dread lich
259217 | Zig:25   | Noticed an ancient lich
259218 | Zig:25   | Noticed a dread lich
259220 | Zig:25   | Killed a dread lich
259220 | Zig:25   | Killed a dread lich
259220 | Zig:25   | Killed a dread lich
259220 | Zig:25   | Killed a dread lich
259220 | Zig:25   | Killed an ancient lich
259220 | Zig:25   | Killed an ancient lich
259221 | Zig:25   | Noticed an ancient lich
259222 | Zig:25   | Killed a dread lich
259222 | Zig:25   | Killed a dread lich
259223 | Zig:25   | Killed a dread lich
259223 | Zig:25   | Killed a dread lich
259223 | Zig:25   | Killed an ancient lich
259225 | Zig:25   | Killed a dread lich
259225 | Zig:25   | Killed an ancient lich
259226 | Zig:25   | Noticed an ancient lich
259227 | Zig:25   | Noticed an ancient lich
259227 | Zig:25   | Killed an ancient lich
259227 | Zig:25   | Killed an ancient lich
259227 | Zig:25   | Killed a dread lich
259231 | Zig:25   | Noticed a dread lich
259233 | Zig:25   | Killed an ancient lich
259233 | Zig:25   | Killed an ancient lich
259233 | Zig:25   | Killed a dread lich
259237 | Zig:25   | Killed a dread lich
259239 | Zig:25   | Killed from afar by an ancient lich (90 damage)
                  | ... with a crystal spear
259240 | Zig:25   | Killed an ancient lich
259240 | Zig:25   | Killed an ancient lich
259241 | Zig:25   | Killed an ancient lich
259241 | Zig:25   | Killed an ancient lich
259243 | Zig:25   | Noticed a dread lich
259252 | Zig:25   | Killed a dread lich
259254 | Zig:25   | Killed a dread lich
259256 | Zig:25   | Killed an ancient lich
259733 | Zig:25   | Identified the staff of earth "Anaeniah" {rElec rCorr}
259734 | Zig:25   | Identified the staff of fire "Seatoeth" {Fragile rElec
                  | rPois rF+ Str-2 Dex+7}
259735 | Zig:25   | Identified the +5 short sword of Ynkoene {antimagic, Str+2
                  | Int+2 Dex+3}
259740 | Zig:25   | Identified the +11 storm dragon scales of the Trees {rElec
                  | Str+3}
259744 | Zig:25   | Identified the ring "Xuakeas" {Dex+6 SInv}
259775 | Zig:25   | Identified the staff of cold "Zecuol" {rC+ Will++ Str-5}
259778 | Zig:25   | Identified the staff of air "Hueplutu" {rElec rPois}
259779 | Zig:25   | Identified the ring "Wucitaisk" {Fly Will- Str+6}
259783 | Zig:25   | Identified the +4 hand axe "Aqomnent" {flame, rPois rN+
                  | Will+ Str-5}
259785 | Zig:25   | Identified the staff of cold "Liameho" {rC+ Int+4}
259821 | Zig:25   | Identified the +8 plate armour of Purpose {Rampage rPois}
259837 | Zig:26   | Entered Level 26 of a ziggurat
259843 | Zig:26   | Noticed a juggernaut
259843 | Zig:26   | Noticed a juggernaut
259845 | Zig:26   | Noticed a juggernaut
259845 | Zig:26   | Noticed a juggernaut
259845 | Zig:26   | Noticed a juggernaut
259845 | Zig:26   | Noticed a juggernaut
259845 | Zig:26   | Noticed a juggernaut
259845 | Zig:26   | Noticed a juggernaut
259845 | Zig:26   | Noticed a juggernaut
259845 | Zig:26   | Noticed a juggernaut
259845 | Zig:26   | Noticed a juggernaut
259845 | Zig:26   | Noticed a juggernaut
259845 | Zig:26   | Noticed a juggernaut
259845 | Zig:26   | Noticed a juggernaut
259845 | Zig:26   | Noticed a juggernaut
259845 | Zig:26   | Noticed a juggernaut
259845 | Zig:26   | Noticed a juggernaut
259845 | Zig:26   | Noticed a juggernaut
259845 | Zig:26   | Noticed a juggernaut
259845 | Zig:26   | Noticed a juggernaut
259845 | Zig:26   | Noticed a juggernaut
259845 | Zig:26   | Noticed a juggernaut
259846 | Zig:26   | Noticed a juggernaut
259847 | Zig:26   | Killed a juggernaut
259847 | Zig:26   | Killed a juggernaut
259847 | Zig:26   | Killed a juggernaut
259847 | Zig:26   | Killed a juggernaut
259847 | Zig:26   | Killed a juggernaut
259847 | Zig:26   | Killed a juggernaut
259847 | Zig:26   | Killed a juggernaut
259847 | Zig:26   | Killed a juggernaut
259847 | Zig:26   | Killed a juggernaut
259847 | Zig:26   | Killed a juggernaut
259847 | Zig:26   | Killed a juggernaut
259847 | Zig:26   | Killed a juggernaut
259847 | Zig:26   | Killed a juggernaut
259847 | Zig:26   | Killed a juggernaut
259847 | Zig:26   | Killed by an exploding juggernaut (24 damage)
                  | ... ignited by their inner flame
259847 | Zig:26   | Killed a juggernaut
259847 | Zig:26   | Killed a juggernaut
259847 | Zig:26   | Killed a juggernaut
259847 | Zig:26   | Noticed a juggernaut
259847 | Zig:26   | Killed a juggernaut
259847 | Zig:26   | Noticed a juggernaut
259848 | Zig:26   | Noticed a juggernaut
259848 | Zig:26   | Killed a juggernaut
259848 | Zig:26   | Killed a juggernaut
259848 | Zig:26   | Killed a juggernaut
259848 | Zig:26   | Killed a juggernaut
259848 | Zig:26   | Noticed a juggernaut
259849 | Zig:26   | Noticed a juggernaut
259849 | Zig:26   | Noticed a juggernaut
259849 | Zig:26   | Noticed a juggernaut
259849 | Zig:26   | Noticed a juggernaut
259850 | Zig:26   | Noticed a juggernaut
259850 | Zig:26   | Noticed a juggernaut
259851 | Zig:26   | Noticed a juggernaut
259851 | Zig:26   | Noticed a juggernaut
259851 | Zig:26   | Noticed a juggernaut
259851 | Zig:26   | Noticed a juggernaut
259852 | Zig:26   | Noticed a juggernaut
259853 | Zig:26   | Killed a juggernaut
259853 | Zig:26   | Killed a juggernaut
259853 | Zig:26   | Killed a juggernaut
259855 | Zig:26   | Killed a juggernaut
259857 | Zig:26   | Noticed a juggernaut
259857 | Zig:26   | Killed a juggernaut
259858 | Zig:26   | Killed a juggernaut
259859 | Zig:26   | Noticed a juggernaut
259859 | Zig:26   | Noticed a juggernaut
259859 | Zig:26   | Noticed a juggernaut
259860 | Zig:26   | Killed a juggernaut
259860 | Zig:26   | Killed a juggernaut
259860 | Zig:26   | Noticed a juggernaut
259862 | Zig:26   | Killed a juggernaut
259863 | Zig:26   | Noticed a juggernaut
259865 | Zig:26   | Killed a juggernaut
259865 | Zig:26   | Killed a juggernaut
259865 | Zig:26   | Noticed a juggernaut
259865 | Zig:26   | Noticed a juggernaut
259865 | Zig:26   | Noticed a juggernaut
259866 | Zig:26   | Killed a juggernaut
259866 | Zig:26   | Killed a juggernaut
259866 | Zig:26   | Killed a juggernaut
259866 | Zig:26   | Killed a juggernaut
259866 | Zig:26   | Noticed a juggernaut
259866 | Zig:26   | Noticed a juggernaut
259866 | Zig:26   | Noticed a juggernaut
259867 | Zig:26   | Noticed a juggernaut
259867 | Zig:26   | Noticed a juggernaut
259867 | Zig:26   | Noticed a juggernaut
259867 | Zig:26   | Noticed a juggernaut
259869 | Zig:26   | Killed a juggernaut
259870 | Zig:26   | Killed a juggernaut
259870 | Zig:26   | Noticed a juggernaut
259870 | Zig:26   | Noticed a juggernaut
259871 | Zig:26   | Noticed a juggernaut
259872 | Zig:26   | Killed a juggernaut
259872 | Zig:26   | Noticed a juggernaut
259873 | Zig:26   | Killed a juggernaut
259873 | Zig:26   | Noticed a juggernaut
259873 | Zig:26   | Noticed a juggernaut
259874 | Zig:26   | Noticed a juggernaut
259874 | Zig:26   | Noticed a juggernaut
259875 | Zig:26   | Killed a juggernaut
259875 | Zig:26   | Killed a juggernaut
259875 | Zig:26   | Killed a juggernaut
259875 | Zig:26   | Noticed a juggernaut
259875 | Zig:26   | Noticed a juggernaut
259875 | Zig:26   | Killed a juggernaut
259875 | Zig:26   | Noticed a juggernaut
259875 | Zig:26   | Noticed a juggernaut
259876 | Zig:26   | Killed a juggernaut
259876 | Zig:26   | Killed a juggernaut
259876 | Zig:26   | Killed a juggernaut
259876 | Zig:26   | Killed a juggernaut
259876 | Zig:26   | Killed a juggernaut
259876 | Zig:26   | Killed a juggernaut
259876 | Zig:26   | Killed a juggernaut
259876 | Zig:26   | Killed a juggernaut
259876 | Zig:26   | Killed a juggernaut
259876 | Zig:26   | Noticed a juggernaut
259876 | Zig:26   | Noticed a juggernaut
259876 | Zig:26   | Noticed a juggernaut
259877 | Zig:26   | Killed a juggernaut
259877 | Zig:26   | Killed a juggernaut
259877 | Zig:26   | Killed a juggernaut
259877 | Zig:26   | Killed a juggernaut
259877 | Zig:26   | Killed a juggernaut
259877 | Zig:26   | Noticed a juggernaut
259877 | Zig:26   | Noticed a juggernaut
259878 | Zig:26   | Killed a juggernaut
259878 | Zig:26   | Noticed a juggernaut
259880 | Zig:26   | Noticed a juggernaut
259880 | Zig:26   | Killed a juggernaut
259880 | Zig:26   | Killed a juggernaut
259880 | Zig:26   | Killed a juggernaut
259880 | Zig:26   | Killed a juggernaut
259880 | Zig:26   | Killed a juggernaut
259880 | Zig:26   | Killed a juggernaut
259880 | Zig:26   | Killed a juggernaut
259880 | Zig:26   | Killed a juggernaut
259881 | Zig:26   | Noticed a juggernaut
259881 | Zig:26   | Noticed a juggernaut
259881 | Zig:26   | Noticed a juggernaut
259881 | Zig:26   | Killed a juggernaut
259883 | Zig:26   | Noticed a juggernaut
259885 | Zig:26   | Killed a juggernaut
259886 | Zig:26   | Killed a juggernaut
259888 | Zig:26   | Killed a juggernaut
259893 | Zig:26   | Killed a juggernaut
259897 | Zig:26   | Noticed a juggernaut
259898 | Zig:26   | Killed a juggernaut
259899 | Zig:26   | Killed a juggernaut
259900 | Zig:26   | Killed a juggernaut
259901 | Zig:26   | Noticed a juggernaut
259903 | Zig:26   | Killed a juggernaut
259906 | Zig:26   | Killed a juggernaut
259921 | Zig:26   | Killed a juggernaut
259924 | Zig:26   | Noticed a juggernaut
259939 | Zig:26   | Killed a juggernaut
259939 | Zig:26   | HP: 4/199 [orc high priest/divine providence (13)]
259943 | Zig:26   | Killed by divine providence
                  | ... invoked by an orc high priest
                  | (15 damage)
260138 | Zig:26   | Identified the +3 flail of a Billion Yaks {elec, Int+4}
260142 | Zig:26   | Identified the staff of earth "Daaqaij" {rElec rC+ Dex+3}
260146 | Zig:26   | Identified the +6 sling of Beogh's Anger {antimagic, Int+3}
260150 | Zig:26   | Identified the +0 quarterstaff of War {heavy, *Noise rF+
                  | rN+}
260161 | Zig:26   | Identified the +1 short sword "Keh Zoic" {heavy, rC+ SInv}
260172 | Zig:26   | Identified the ring "Fula Tuj" {Fly rElec rC+}
260174 | Zig:26   | Identified the ring "Panag" {Will+ EV+5}
260178 | Zig:26   | Identified the +1 robe of the Centipede {rPois Archmagi}
260189 | Zig:26   | Identified the +5 arbalest of Superiority {penet, rF+}
260206 | Zig:26   | Identified the ring "Vegrikh" {rC+ rCorr Str+9}
260210 | Zig:26   | Identified the +8 rapier of Due Proportion {speed, rPois
                  | Str+7 Stlth-}
260211 | Zig:26   | Identified the +1 chain mail "Ocaemp" {rF+++ Slay+5}
260223 | Zig:26   | Identified the ring of Campireewa {Dex+3 SInv}
260225 | Zig:26   | Identified the +0 glaive of Hajyqola {heavy, +Blink rN++
                  | Will- Str+3}
260226 | Zig:26   | Identified the staff of poison "Riajeom" {rPois Int+2}
260235 | Zig:26   | Identified the +10 broad axe of the Glamorous God {protect,
                  | *Noise rElec rF+ Str+2}
260236 | Zig:26   | Identified the +3 leather armour of the Buccaneer {Will+}
260246 | Zig:27   | Entered Level 27 of a ziggurat
260266 | Zig:27   | HP: 2/199 [white draconian stormcaller/divine providence
                  | (10)]
260266 | Zig:27   | Killed by divine providence
                  | ... invoked by a white draconian stormcaller
                  | (10 damage)
260309 | Zig:27   | HP: 4/199 [white draconian stormcaller/divine providence
                  | (13)]
260312 | Zig:27   | Killed from afar by a red draconian (6 damage)
                  | ... with a searing blast
260364 | Zig:27   | HP: 5/199 [yellow draconian annihilator/glob of acid (7)]
260380 | Zig:27   | HP: 5/199 [something/bolt of lightning (6)]
260382 | Zig:27   | Killed from afar by a black draconian knight (12 damage)
                  | ... with a bolt of lightning
260398 | Zig:27   | Identified the staff of air "Ceakegy" {rElec Str+7 Int+4}
260401 | Zig:27   | Identified the staff of fire "Norchuju" {rF+ rC+ Str-3
                  | Int+5}
260404 | Zig:27   | Identified the +4 morningstar of Annihilation {freeze,
                  | Str+4 Int-5}
260526 | Zig:27   | Identified the +0 ring mail of the Blizzard {rElec rC+}
260527 | Zig:27   | Identified the +1 leather armour "Dahe" {Harm *Corrode
                  | rPois}
260528 | Zig:27   | Identified the +1 helmet of the Doldrums {rN++ Str-4 Int+5}
260534 | Zig:27   | Identified the staff of fire "Laamofaw" {rF+ Int+4}
260542 | Zig:27   | Identified the amulet of Zeugrypn {RegenMP *Corrode rPois
                  | rC+ rN+}
260546 | Zig:27   | Identified the +2 chain mail of Precision Catastrophes
                  | {Int+2 Dex+3}
260552 | Zig:27   | Identified the staff of conjuration "Suamax" {Int+3}
260565 | Zig:27   | Identified the +6 short sword of Intimidation {antimagic,
                  | rPois rF- Str+3 SInv}
260570 | Zig:27   | Identified the +6 chain mail of Ziutz {rElec Regen+ Str-5
                  | Int+6 Dex-2}
260578 | Zig:27   | Identified the ring of the Shrike {rF- rN+ Dex+3 SInv}
260586 | Zig:27   | Identified the +8 short sword of Irhoneab {spect, rElec
                  | rPois rC- Int+3}
260589 | Zig:27   | Identified the +5 great sword of the Everdark {vamp, rElec
                  | MP+9}
260598 | Zig:27   | Identified the +7 quarterstaff of Mandamus {freeze, +Blink
                  | rF+ Int+3}
260601 | Zig:27   | Identified the staff of conjuration "Efats" {rElec}
260675 | Zig:1    | Entered Level 1 of a ziggurat
260698 | Zig:2    | Entered Level 2 of a ziggurat
260902 | Zig:3    | Entered Level 3 of a ziggurat
261053 | Zig:4    | Entered Level 4 of a ziggurat
261053 | Zig:4    | Noticed a juggernaut
261053 | Zig:4    | Noticed a juggernaut
261053 | Zig:4    | Noticed a juggernaut
261053 | Zig:4    | Noticed a juggernaut
261053 | Zig:4    | Noticed a juggernaut
261053 | Zig:4    | Noticed a juggernaut
261054 | Zig:4    | Noticed a juggernaut
261057 | Zig:4    | Noticed a juggernaut
261058 | Zig:4    | Noticed a juggernaut
261058 | Zig:4    | Killed a juggernaut
261059 | Zig:4    | Killed a juggernaut
261059 | Zig:4    | Killed a juggernaut
261060 | Zig:4    | Killed a juggernaut
261060 | Zig:4    | Killed a juggernaut
261061 | Zig:4    | Killed a juggernaut
261062 | Zig:4    | Killed a juggernaut
261073 | Zig:4    | Killed a juggernaut
261076 | Zig:4    | Killed a juggernaut
261107 | Zig:5    | Entered Level 5 of a ziggurat
261107 | Zig:5    | Noticed an ancient lich
261107 | Zig:5    | Noticed an ancient lich
261107 | Zig:5    | Noticed an ancient lich
261107 | Zig:5    | Noticed a dread lich
261113 | Zig:5    | Noticed an ancient lich
261114 | Zig:5    | Killed an ancient lich
261114 | Zig:5    | Noticed an ancient lich
261115 | Zig:5    | Killed a dread lich
261115 | Zig:5    | Noticed a dread lich
261118 | Zig:5    | Killed an ancient lich
261118 | Zig:5    | Killed an ancient lich
261123 | Zig:5    | Killed an ancient lich
261125 | Zig:5    | Killed an ancient lich
261125 | Zig:5    | Killed a dread lich
261457 | Zig:5    | Identified the +4 scimitar of the Fool {speed, Int+3
                  | Stlth+}
261463 | Zig:5    | Identified the +4 chain mail "Qaluptei" {rElec rC+ Dex+2}
261464 | Zig:5    | Identified the amulet "Qoqytwu" {RegenMP rPois rF++ rC-
                  | Stlth+}
261482 | Zig:6    | Entered Level 6 of a ziggurat
261489 | Zig:6    | Paralysed by a wendigo for 1 turns
261708 | Zig:6    | Acquired 400 gold pieces
261710 | Zig:6    | Acquired the ring "Ocuk" {rCorr Str+9 Dex-2}
261723 | Zig:7    | Entered Level 7 of a ziggurat
261725 | Zig:7    | Gained mutation: You are dopey. (Int -2) [a shining eye]
261749 | Zig:7    | Paralysed by a floating eye for 4 turns
261752 | Zig:7    | HP: 5/199 [acid blob (22)]
261752 | Zig:7    | HP: 1/199 [acid (4)]
261753 | Zig:7    | Killed from afar by an acid blob (10 damage)
                  | ... with a splash of acid
                  | ... while paralysed by a floating eye
262070 | Zig:7    | Lost mutation: You are weak. (Str -2) [potion of mutation]
262070 | Zig:7    | Lost mutation: Your flesh is heat resistant. (rF+) [potion
                  | of mutation]
262070 | Zig:7    | Lost mutation: You passively map a small area around you.
                  | [potion of mutation]
262070 | Zig:7    | Lost mutation: You are dopey. (Int -2) [potion of mutation]
262070 | Zig:7    | Gained mutation: You passively map a small area around you.
                  | [potion of mutation]
262086 | Zig:7    | Identified the +6 short sword of Roqah {flame, rElec rCorr
                  | SInv}
262087 | Zig:7    | Identified the staff of earth "Cabymnadgh" {rF- Will+
                  | Int+3}
262135 | Zig:8    | Entered Level 8 of a ziggurat
262135 | Zig:8    | Noticed an ancient lich
262135 | Zig:8    | Noticed a dread lich
262135 | Zig:8    | Noticed an ancient lich
262135 | Zig:8    | Noticed an ancient lich
262135 | Zig:8    | Noticed an ancient lich
262135 | Zig:8    | Noticed a dread lich
262135 | Zig:8    | Noticed a dread lich
262135 | Zig:8    | Noticed an ancient lich
262135 | Zig:8    | Noticed an ancient lich
262136 | Zig:8    | Noticed a dread lich
262136 | Zig:8    | Noticed a dread lich
262137 | Zig:8    | Noticed an ancient lich
262137 | Zig:8    | Noticed an ancient lich
262138 | Zig:8    | Noticed an ancient lich
262139 | Zig:8    | Killed an ancient lich
262140 | Zig:8    | Killed an ancient lich
262142 | Zig:8    | Noticed a dread lich
262142 | Zig:8    | Noticed a dread lich
262142 | Zig:8    | Killed an ancient lich
262142 | Zig:8    | Killed a dread lich
262143 | Zig:8    | Killed an ancient lich
262143 | Zig:8    | Killed a dread lich
262143 | Zig:8    | Killed an ancient lich
262143 | Zig:8    | Killed a dread lich
262143 | Zig:8    | Killed an ancient lich
262143 | Zig:8    | Killed a dread lich
262144 | Zig:8    | Noticed a dread lich
262144 | Zig:8    | Killed a dread lich
262144 | Zig:8    | Killed an ancient lich
262144 | Zig:8    | Killed an ancient lich
262146 | Zig:8    | Killed an ancient lich
262146 | Zig:8    | Noticed a dread lich
262148 | Zig:8    | Noticed an ancient lich
262148 | Zig:8    | Noticed an ancient lich
262148 | Zig:8    | Noticed an ancient lich
262149 | Zig:8    | Noticed an ancient lich
262149 | Zig:8    | Noticed an ancient lich
262150 | Zig:8    | Killed a dread lich
262150 | Zig:8    | Killed an ancient lich
262150 | Zig:8    | Killed a dread lich
262150 | Zig:8    | Killed a dread lich
262152 | Zig:8    | Killed an ancient lich
262152 | Zig:8    | Killed an ancient lich
262152 | Zig:8    | Killed an ancient lich
262154 | Zig:8    | Killed a dread lich
262157 | Zig:8    | Killed an ancient lich
262543 | Zig:8    | Identified the +4 ring mail "Zucrulax" {rN+}
262544 | Zig:8    | Identified the staff of air "Xeekas" {rElec rC- Dex+5}
262545 | Zig:8    | Identified the +4 sling of Evisceration {elec, rF+ rN++
                  | rCorr Int-3}
262549 | Zig:8    | Identified the staff of death "Mokkul" {rN+ Will+++ Int+3
                  | Dex-2 SInv}
262552 | Zig:8    | Identified the +1 robe "Rosojoacs" {Str+5}
262557 | Zig:8    | Identified the +9 ring mail of the Cursing Gods {Drain rN++
                  | rCorr Slay+2}
262560 | Zig:8    | Identified the staff of conjuration "Arish" {rC- Str+4}
262563 | Zig:8    | Identified the staff of conjuration "Zaod" {Dex+5}
262564 | Zig:8    | Identified the +3 acid dragon scales "Rofirch" {rF+ rCorr
                  | Stlth+}
262591 | Zig:9    | Entered Level 9 of a ziggurat
262603 | Zig:9    | HP: 9/199 [starcursed mass/accursed screaming[a demonspawn
                  | corrupter] (4)]
262604 | Zig:9    | HP: 1/199 [starcursed mass/accursed screaming[a demonspawn
                  | corrupter] (9)]
262606 | Zig:9    | Noticed Kif Pik the pandemonium lord
262607 | Zig:9    | Killed from afar by a Hell Sentinel (36 damage)
                  | ... with damnation
262617 | Zig:9    | HP: 1/199 [balrug/divine providence (14)]
262618 | Zig:9    | Slain by a lorocyproca (3 damage)
262629 | Zig:9    | Killed by divine providence
                  | ... invoked by a balrug
                  | (15 damage)
262633 | Zig:9    | Killed Kif Pik the pandemonium lord
262642 | Zig:9    | Gained mutation: You have hidden genetic defects. [a
                  | cacodemon]
262648 | Zig:9    | HP: 9/199 [starcursed mass/accursed screaming[a demonspawn
                  | corrupter] (8)]
262649 | Zig:9    | Killed by an exploding lorocyproca (30 damage)
                  | ... ignited by their inner flame
262665 | Zig:9    | Gained mutation: You are frail. (-10% HP) [a cacodemon]
262913 | Zig:9    | Lost mutation: You expend magic power (3 MP) to strengthen
                  | your wands. [potion of mutation]
262913 | Zig:9    | Lost mutation: You are partially covered in iridescent
                  | scales. (AC +2) [potion of mutation]
262913 | Zig:9    | Lost mutation: You passively map a small area around you.
                  | [potion of mutation]
262913 | Zig:9    | Lost mutation: You have hidden genetic defects. [potion of
                  | mutation]
262914 | Zig:9    | Lost mutation: Armour fits poorly on your strangely shaped
                  | body. [potion of mutation]
262914 | Zig:9    | Lost mutation: You are frail. (-10% HP) [potion of
                  | mutation]
262914 | Zig:9    | Gained mutation: You have a pair of small horns on your
                  | head. [potion of mutation]
262914 | Zig:9    | Gained mutation: You are strong-willed. (Will+) [potion of
                  | mutation]
262915 | Zig:9    | Lost mutation: You are strong-willed. (Will+) [potion of
                  | mutation]
262915 | Zig:9    | Lost mutation: You sometimes lose your temper in combat.
                  | [potion of mutation]
262915 | Zig:9    | Lost mutation: You are clumsy. (Dex -2) [potion of
                  | mutation]
262915 | Zig:9    | Gained mutation: You have hidden genetic defects. [potion
                  | of mutation]
262915 | Zig:9    | Gained mutation: Your movements are slightly less
                  | encumbered by armour. (ER -2) [potion of mutation]
262916 | Zig:9    | Lost mutation: You occasionally shout uncontrollably at
                  | your foes. [potion of mutation]
262916 | Zig:9    | Lost mutation: You have a pair of small horns on your head.
                  | [potion of mutation]
262916 | Zig:9    | Gained mutation: Your muscles are strong. (Str +4, Int/Dex
                  | -1) [potion of mutation]
262916 | Zig:9    | Gained mutation: Your flesh is heat resistant. (rF+)
                  | [potion of mutation]
262916 | Zig:9    | Gained mutation: You are agile. (Dex +4, Str/Int -1)
                  | [potion of mutation]
262917 | Zig:9    | Lost mutation: Your flesh is heat resistant. (rF+) [potion
                  | of mutation]
262917 | Zig:9    | Lost mutation: Your movements are slightly less encumbered
                  | by armour. (ER -2) [potion of mutation]
262917 | Zig:9    | Lost mutation: Your muscles are strong. (Str +4, Int/Dex
                  | -1) [potion of mutation]
262917 | Zig:9    | Gained mutation: You are strong-willed. (Will+) [potion of
                  | mutation]
262917 | Zig:9    | Gained mutation: You occasionally shout uncontrollably at
                  | your foes. [potion of mutation]
262917 | Zig:9    | Gained mutation: You have a pair of small antennae on your
                  | head. [potion of mutation]
262917 | Zig:9    | Gained mutation: You are highly strong-willed. (Will++)
                  | [potion of mutation]
262918 | Zig:9    | Lost mutation: You have a pair of small antennae on your
                  | head. [potion of mutation]
262918 | Zig:9    | Lost mutation: You occasionally shout uncontrollably at
                  | your foes. [potion of mutation]
262918 | Zig:9    | Gained mutation: You have sharp toenails. [potion of
                  | mutation]
262919 | Zig:9    | Lost mutation: You are highly strong-willed. (Will++)
                  | [potion of mutation]
262919 | Zig:9    | Lost mutation: You have hidden genetic defects. [potion of
                  | mutation]
262919 | Zig:9    | Lost mutation: You are strong-willed. (Will+) [potion of
                  | mutation]
262919 | Zig:9    | Lost mutation: You have sharp toenails. [potion of
                  | mutation]
262919 | Zig:9    | Gained mutation: You are frail. (-10% HP) [potion of
                  | mutation]
262919 | Zig:9    | Lost mutation: You are frail. (-10% HP) [potion of
                  | mutation]
262919 | Zig:9    | Gained mutation: Your flesh is cold resistant. (rC+)
                  | [potion of mutation]
262930 | Zig:9    | Identified the ring "Qaohylosh" {rCorr Str+7 Dex-4}
262949 | Zig:10   | Entered Level 10 of a ziggurat
262965 | Zig:10   | HP: 8/199 [Ice Fiend/bolt of cold (10)]
262966 | Zig:10   | HP: 3/199 [Ice Fiend/bolt of cold (4)]
262966 | Zig:10   | Killed from afar by an Ice Fiend (9 damage)
                  | ... with a bolt of cold
263164 | Zig:10   | Acquired 860 gold pieces
263170 | Zig:10   | Identified the +4 hand axe "Yziatiunt" {spect, Dex+5}
263173 | Zig:10   | Identified the staff of conjuration "Ehuis" {Fly Str+2}
263174 | Zig:10   | Identified the amulet "Rurchic" {rN+++ Will+ Regen+ Str+4
                  | Int-5}
263178 | Zig:10   | Identified the ring "Wuxufe Taent" {rPois rN+ rCorr Stlth-}
263181 | Zig:10   | Identified the +4 sling of Change {flame, rPois rN+++ Str-4
                  | Int+5}
263187 | Zig:10   | Identified the +6 demon whip "Riucuxehe" {vamp, Will+}
263190 | Zig:10   | Identified the +6 great mace of Ryanynant {heavy, rCorr}
263194 | Zig:10   | Identified the ring of Puferev {Wiz MP+9 Str+4 Int+3
                  | Stlth+}
263210 | Zig:10   | Identified the ring "Ozuhyxon" {+Blink rCorr}
263238 | Zig:11   | Entered Level 11 of a ziggurat
263260 | Zig:11   | Noticed an ancient lich
263269 | Zig:11   | Killed an ancient lich
263281 | Zig:11   | Noticed a dread lich
263295 | Zig:11   | Paralysed by accursed screaming for 2 turns
263301 | Zig:11   | Killed a dread lich
263301 | Zig:11   | Killed from afar by a hellephant (130 damage)
                  | ... with a blast of flame
263314 | Zig:11   | Paralysed by accursed screaming for 1 turns
263355 | Zig:11   | Paralysed by accursed screaming for 2 turns
263364 | Zig:11   | Killed from afar by a starcursed mass (51 damage)
                  | ... with an accursed screaming
263364 | Zig:11   | Paralysed by accursed screaming for 2 turns
263386 | Zig:11   | Paralysed by accursed screaming for 2 turns
263397 | Zig:11   | Killed from afar by a starcursed mass (illusionary) (21
                  | damage)
                  | ... with an accursed screaming
263403 | Zig:11   | Paralysed by accursed screaming for 1 turns
263774 | Zig:11   | Identified the ring "Bowusi" {Wiz Str+3}
263805 | Zig:11   | Identified the +10 great sword "Bexiosh" {spect, Int+8}
263829 | Zig:12   | Entered Level 12 of a ziggurat
263829 | Zig:12   | Noticed an ancient lich
263829 | Zig:12   | Noticed a royal mummy
263829 | Zig:12   | Noticed a royal mummy
263829 | Zig:12   | Noticed a royal mummy
263829 | Zig:12   | Noticed a royal mummy
263834 | Zig:12   | HP: 9/199 [something (7)]
263834 | Zig:12   | HP: 4/199 [bennu (5)]
263835 | Zig:12   | Killed by a mummy priest's death curse (18 damage)
263836 | Zig:12   | Killed a royal mummy
263837 | Zig:12   | Killed a royal mummy
263837 | Zig:12   | Killed an ancient lich
263839 | Zig:12   | Noticed a royal mummy
263840 | Zig:12   | Killed a royal mummy
263840 | Zig:12   | Killed a royal mummy
263840 | Zig:12   | Noticed a royal mummy
263845 | Zig:12   | HP: 8/199 [something (4)]
263846 | Zig:12   | Slain by a bennu (13 damage)
263847 | Zig:12   | Noticed a royal mummy
263848 | Zig:12   | Killed a royal mummy
263851 | Zig:12   | Killed a royal mummy
263851 | Zig:12   | Noticed a royal mummy
263851 | Zig:12   | Noticed a royal mummy
263852 | Zig:12   | Noticed a royal mummy
263853 | Zig:12   | Noticed a royal mummy
263854 | Zig:12   | Noticed a royal mummy
263855 | Zig:12   | Noticed a royal mummy
263855 | Zig:12   | Noticed a royal mummy
263856 | Zig:12   | HP: 2/199 [royal mummy/divine providence (14)]
263856 | Zig:12   | Noticed a royal mummy
263857 | Zig:12   | Killed a royal mummy
263857 | Zig:12   | Noticed a royal mummy
263857 | Zig:12   | Killed by divine providence
                  | ... invoked by a royal mummy
                  | (13 damage)
263858 | Zig:12   | Killed a royal mummy
263858 | Zig:12   | Killed a royal mummy
263859 | Zig:12   | Killed a royal mummy
263860 | Zig:12   | Noticed a royal mummy
263861 | Zig:12   | Killed a royal mummy
263861 | Zig:12   | Killed a royal mummy
263862 | Zig:12   | Killed a royal mummy
263862 | Zig:12   | Killed a royal mummy
263862 | Zig:12   | HP: 8/199 [mummy priest/divine providence (12)]
263863 | Zig:12   | Killed a royal mummy
263867 | Zig:12   | Killed by a guardian mummy's death curse (15 damage)
263872 | Zig:12   | Killed a royal mummy
263876 | Zig:12   | Killed a royal mummy
263996 | Zig:12   | Identified the staff of air "Xiptux" {rElec rC+ rCorr
                  | Str-4}
264004 | Zig:12   | Identified the +2 robe of the Lair of Beasts {rN+++ Str-3
                  | Stlth- Archmagi}
264008 | Zig:12   | Identified the +4 mace "Kynon" {elec, rF+ Dex-4 SInv}
264012 | Zig:12   | Identified the +5 war axe "Kouxzous" {pain, *Corrode Fly
                  | Int+2}
264024 | Zig:12   | Identified the staff of conjuration "Usyggeukk" {rElec rF+
                  | Will+ Str+2}
264028 | Zig:12   | Identified the +8 sling "Picyenot" {antimagic, rF+ Dex-5
                  | Stlth+}
264056 | Zig:13   | Entered Level 13 of a ziggurat
264067 | Zig:13   | HP: 9/199 [??? (1)]
264068 | Zig:13   | HP: 2/199 [Ice Fiend/bolt of cold (6)]
264074 | Zig:13   | Killed from afar by a blizzard demon (4 damage)
                  | ... with a bolt of lightning
264082 | Zig:13   | HP: 4/199 [Ice Fiend/bolt of cold (12)]
264085 | Zig:13   | Killed by the air
                  | ... invoked by a blizzard demon
                  | (18 damage)
264104 | Zig:13   | HP: 6/199 [Ice Fiend/bolt of cold (8)]
264106 | Zig:13   | Killed from afar by an ice dragon (5 damage)
                  | ... with a blast of cold
264447 | Zig:13   | Identified the +6 war axe of Vaukodworu {protect, Will+}
264457 | Zig:13   | Identified the +2 war axe of Agony {flame, rPois rCorr}
264470 | Zig:13   | Identified the +4 flail of Boiloy {holy, rElec rC+}
264472 | Zig:13   | Identified the +2 mace "Joytrarch" {spect, rPois rC- rCorr}
264474 | Zig:13   | Identified the +6 lajatang "Ilyabb Bext" {flame, +Blink
                  | Str+2 Int+3 Dex-4}
264477 | Zig:13   | Identified the +12 dagger of Gehenna {venom, rF+++ rC-
                  | Will+ Int+2}
264478 | Zig:13   | Identified the ring "Viajatit" {Str+6 SInv}
264480 | Zig:13   | Identified the +8 dagger of Fate {heavy, Drain rElec MP+9
                  | Str+6}
264487 | Zig:13   | Identified the +1 leather armour of Boiling Hail {rC- Int+3
                  | Dex+4}
264488 | Zig:13   | Identified the ring "Avivil" {Contam Fly rPois Dex+6
                  | Slay+5}
264495 | Zig:14   | Entered Level 14 of a ziggurat
264766 | Zig:14   | Identified the +7 halberd "Jyddoahir" {flame, +Blink rElec
                  | rPois}
264768 | Zig:14   | Identified the +5 rapier of Bofekon {heavy, rC+}
264769 | Zig:14   | Identified the +8 rapier of the Madman {antimagic, *Slow
                  | rC- rN+++ Int+4}
264771 | Zig:14   | Identified the +3 flail of the Usurping Rat {drain, Int+7}
264785 | Zig:14   | Identified the +1 spear "Noump" {drain, rPois}
264788 | Zig:14   | Identified the staff of air "Funnom" {Fly rElec Dex+2}
264793 | Zig:14   | Identified the +8 long sword "Killer Bee's Bane" {flame,
                  | *Rage Int+6 Dex+2 SInv}
264800 | Zig:14   | Identified the +5 dagger of the Wolf {spect, rPois rC+}
264809 | Zig:15   | Entered Level 15 of a ziggurat
264962 | Zig:15   | Identified the staff of cold "Ramaock" {Fragile rC+ rCorr
                  | SInv}
264963 | Zig:15   | Identified the staff of air "Ceolimil" {*Corrode rElec
                  | Str+4 Int+4}
265219 | Zig:15   | Identified the +7 quarterstaff of Efull {flame, Drain
                  | +Blink rN+++ Stlth+}
265228 | Zig:15   | Identified the staff of air "Teev" {Fly rElec Int-2 Dex+8}
265233 | Zig:15   | Identified the +2 spear "Jelly's Foe" {flame, Int+4}
265234 | Zig:15   | Identified the +6 short sword of Distant Worlds {flame,
                  | rF+}
265239 | Zig:15   | Identified the +10 rapier of Gloom {flame, rPois Int+3}
265243 | Zig:15   | Identified the +2 chain mail of Past Mistakes {Str+4}
265254 | Zig:15   | Identified the ring of Riusiof {rF+++ Will- MP+9 Str+3
                  | Int+2}
265257 | Zig:15   | Identified the +0 quarterstaff "Cerr" {freeze, rC+ Will+
                  | Str+2}
265259 | Zig:15   | Identified the +9 sling "Wuonoh" {heavy, rC+ rCorr Dex-4}
265262 | Zig:15   | Identified the +3 plate armour "Lamueq" {rF- rC+ Str+2
                  | SInv}
265263 | Zig:15   | Identified the +1 scimitar "Ceghateu" {protect, Stlth+}
265274 | Zig:15   | Identified the +4 short sword of the Gloaming {heavy, rC+
                  | rCorr Str+3}
265291 | Zig:16   | Entered Level 16 of a ziggurat
265291 | Zig:16   | Noticed a juggernaut
265291 | Zig:16   | Noticed a juggernaut
265291 | Zig:16   | Noticed a juggernaut
265291 | Zig:16   | Noticed a juggernaut
265291 | Zig:16   | Noticed a juggernaut
265291 | Zig:16   | Noticed a juggernaut
265291 | Zig:16   | Noticed a juggernaut
265291 | Zig:16   | Noticed a juggernaut
265291 | Zig:16   | Noticed a juggernaut
265292 | Zig:16   | Noticed a juggernaut
265293 | Zig:16   | Killed a juggernaut
265293 | Zig:16   | Killed a juggernaut
265293 | Zig:16   | Killed a juggernaut
265293 | Zig:16   | Killed a juggernaut
265293 | Zig:16   | Killed a juggernaut
265293 | Zig:16   | Killed a juggernaut
265293 | Zig:16   | Killed a juggernaut
265296 | Zig:16   | Noticed a juggernaut
265296 | Zig:16   | Killed a juggernaut
265297 | Zig:16   | Killed a juggernaut
265297 | Zig:16   | Killed a juggernaut
265297 | Zig:16   | Noticed a juggernaut
265298 | Zig:16   | Noticed a juggernaut
265299 | Zig:16   | Noticed a juggernaut
265299 | Zig:16   | Noticed a juggernaut
265299 | Zig:16   | Noticed a juggernaut
265299 | Zig:16   | Noticed a juggernaut
265301 | Zig:16   | Killed a juggernaut
265301 | Zig:16   | Killed a juggernaut
265301 | Zig:16   | Killed a juggernaut
265301 | Zig:16   | Noticed a juggernaut
265302 | Zig:16   | Noticed a juggernaut
265302 | Zig:16   | Noticed a juggernaut
265302 | Zig:16   | Noticed a juggernaut
265302 | Zig:16   | Killed by divine providence
                  | ... invoked by an orc high priest
                  | (12 damage)
265303 | Zig:16   | Noticed a juggernaut
265303 | Zig:16   | Noticed a juggernaut
265304 | Zig:16   | Killed a juggernaut
265305 | Zig:16   | Killed a juggernaut
265306 | Zig:16   | Killed a juggernaut
265308 | Zig:16   | Killed a juggernaut
265308 | Zig:16   | Killed a juggernaut
265308 | Zig:16   | Killed a juggernaut
265309 | Zig:16   | Killed a juggernaut
265309 | Zig:16   | Killed a juggernaut
265310 | Zig:16   | Killed a juggernaut
265312 | Zig:16   | Killed a juggernaut
265317 | Zig:16   | Noticed a juggernaut
265317 | Zig:16   | Noticed a juggernaut
265318 | Zig:16   | Noticed a juggernaut
265321 | Zig:16   | Noticed a juggernaut
265324 | Zig:16   | Killed a juggernaut
265328 | Zig:16   | Killed a juggernaut
265328 | Zig:16   | Killed a juggernaut
265342 | Zig:16   | Killed a juggernaut
265615 | Zig:16   | Identified the +4 broad axe "Xoppiweh" {holy, rF+}
265647 | Zig:16   | Identified the +11 falchion "Dragonbane" {drain, rN+}
265657 | Zig:16   | Identified the +3 ring mail "Muamuty" {Drain rC+ Will+++
                  | Str-5}
265666 | Zig:16   | Identified the +2 cloak of the Writhing Gods {Will+}
265690 | Zig:17   | Entered Level 17 of a ziggurat
265693 | Zig:17   | Noticed a dread lich
265693 | Zig:17   | Noticed a dread lich
265694 | Zig:17   | Noticed an ancient lich
265694 | Zig:17   | Noticed a dread lich
265694 | Zig:17   | Noticed a dread lich
265694 | Zig:17   | Noticed an ancient lich
265695 | Zig:17   | Noticed a dread lich
265695 | Zig:17   | Noticed an ancient lich
265695 | Zig:17   | Noticed an ancient lich
265695 | Zig:17   | Noticed an ancient lich
265695 | Zig:17   | Noticed a dread lich
265696 | Zig:17   | Noticed a dread lich
265698 | Zig:17   | Noticed a dread lich
265701 | Zig:17   | Noticed a dread lich
265701 | Zig:17   | Noticed a dread lich
265701 | Zig:17   | Noticed a dread lich
265701 | Zig:17   | Noticed a dread lich
265701 | Zig:17   | Noticed an ancient lich
265701 | Zig:17   | Noticed a dread lich
265701 | Zig:17   | Noticed a dread lich
265702 | Zig:17   | Killed a dread lich
265702 | Zig:17   | Killed a dread lich
265702 | Zig:17   | Killed an ancient lich
265703 | Zig:17   | Noticed an ancient lich
265704 | Zig:17   | Killed a dread lich
265704 | Zig:17   | Killed an ancient lich
265707 | Zig:17   | Killed a dread lich
265707 | Zig:17   | Killed a dread lich
265707 | Zig:17   | Noticed a dread lich
265708 | Zig:17   | Noticed an ancient lich
265709 | Zig:17   | Noticed an ancient lich
265709 | Zig:17   | Noticed an ancient lich
265709 | Zig:17   | Noticed an ancient lich
265709 | Zig:17   | Noticed an ancient lich
265710 | Zig:17   | Killed a dread lich
265710 | Zig:17   | Killed a dread lich
265710 | Zig:17   | Killed a dread lich
265710 | Zig:17   | Killed an ancient lich
265710 | Zig:17   | Killed a dread lich
265710 | Zig:17   | Killed a dread lich
265710 | Zig:17   | Killed a dread lich
265710 | Zig:17   | Killed a dread lich
265710 | Zig:17   | Killed a dread lich
265710 | Zig:17   | Killed an ancient lich
265711 | Zig:17   | Killed an ancient lich
265711 | Zig:17   | Killed an ancient lich
265711 | Zig:17   | Noticed a dread lich
265712 | Zig:17   | Noticed an ancient lich
265712 | Zig:17   | Noticed a dread lich
265712 | Zig:17   | Killed by the air
                  | ... invoked by a titan
                  | (31 damage)
265712 | Zig:17   | Noticed an ancient lich
265713 | Zig:17   | Noticed a dread lich
265713 | Zig:17   | Noticed an ancient lich
265713 | Zig:17   | Noticed an ancient lich
265713 | Zig:17   | Killed a dread lich
265713 | Zig:17   | Killed an ancient lich
265713 | Zig:17   | Killed a dread lich
265714 | Zig:17   | Noticed an ancient lich
265714 | Zig:17   | Killed an ancient lich
265714 | Zig:17   | Killed an ancient lich
265714 | Zig:17   | Noticed an ancient lich
265715 | Zig:17   | Noticed a dread lich
265715 | Zig:17   | Noticed a dread lich
265715 | Zig:17   | Noticed a dread lich
265715 | Zig:17   | Killed an ancient lich
265717 | Zig:17   | Noticed a dread lich
265718 | Zig:17   | Killed a dread lich
265719 | Zig:17   | Killed an ancient lich
265720 | Zig:17   | Killed an ancient lich
265721 | Zig:17   | Killed an ancient lich
265722 | Zig:17   | Noticed a dread lich
265723 | Zig:17   | Killed an ancient lich
265726 | Zig:17   | Killed an ancient lich
265726 | Zig:17   | Killed an ancient lich
265727 | Zig:17   | Killed an ancient lich
265727 | Zig:17   | Killed a dread lich
265727 | Zig:17   | Killed an ancient lich
265727 | Zig:17   | Killed a dread lich
265728 | Zig:17   | Noticed a dread lich
265729 | Zig:17   | Killed a dread lich
265729 | Zig:17   | Killed a dread lich
265729 | Zig:17   | Killed a dread lich
265730 | Zig:17   | Noticed an ancient lich
265731 | Zig:17   | Noticed a dread lich
265731 | Zig:17   | Noticed a dread lich
265731 | Zig:17   | HP: 1/199 [titan/bolt of lightning (9)]
265732 | Zig:17   | Killed a dread lich
265732 | Zig:17   | Killed a dread lich
265733 | Zig:17   | Killed from afar by an ancient lich (6 damage)
                  | ... with a bolt of acid
265734 | Zig:17   | Noticed an ancient lich
265734 | Zig:17   | Noticed a dread lich
265734 | Zig:17   | Noticed an ancient lich
265734 | Zig:17   | Noticed an ancient lich
265735 | Zig:17   | Noticed an ancient lich
265737 | Zig:17   | Killed an ancient lich
265739 | Zig:17   | Killed an ancient lich
265739 | Zig:17   | Noticed a dread lich
265741 | Zig:17   | Gained mutation: You occasionally shout uncontrollably at
                  | your foes. [a shining eye]
265743 | Zig:17   | Killed a dread lich
265743 | Zig:17   | Noticed an ancient lich
265744 | Zig:17   | Killed a dread lich
265744 | Zig:17   | Killed an ancient lich
265749 | Zig:17   | Killed an ancient lich
265751 | Zig:17   | Killed a dread lich
265756 | Zig:17   | Killed a dread lich
265757 | Zig:17   | Killed a dread lich
265759 | Zig:17   | Killed an ancient lich
265761 | Zig:17   | Killed an ancient lich
265913 | Zig:17   | Identified the staff of air "Cucairid" {rElec rPois Will+
                  | rCorr Stlth-}
265935 | Zig:17   | Identified the +6 arbalest of Melusm {heavy, *Corrode rElec
                  | Str+3 Dex+2}
265993 | Zig:17   | Identified the ring "Qysosias" {Contam +Blink rCorr SInv}
266068 | Zig:17   | Identified the +2 robe "Xergh" {Harm}
266072 | Zig:17   | Identified the ring "Uxufium" {*Slow rCorr Str+2 Int+4
                  | Dex+6}
266097 | Zig:17   | Identified the staff of cold "Cuinuov" {rPois rC+ Int+6}
266105 | Zig:17   | Identified the staff of earth "Foteimpi" {rElec rN++ Str+3
                  | Dex-3}
266117 | Zig:17   | Identified the staff of earth "Balad" {Int+3 Dex-2 Stlth+}
266118 | Zig:17   | Identified the ring of Temperance {Ice MP+9}
266126 | Zig:17   | Identified the staff of poison "Nebaur" {rPois Str+3}
266157 | Zig:18   | Entered Level 18 of a ziggurat
266167 | Zig:18   | HP: 5/199 [storm dragon/bolt of lightning (7)]
266167 | Zig:18   | Killed from afar by a shock serpent (6 damage)
                  | ... with a bolt of electricity
266182 | Zig:18   | HP: 6/199 [storm dragon/bolt of lightning (6)]
266183 | Zig:18   | Killed from afar by a storm dragon (8 damage)
                  | ... with a bolt of lightning
266190 | Zig:18   | Paralysed by an air elemental for 1 turns
266192 | Zig:18   | HP: 2/199 [storm dragon/bolt of lightning (9)]
266193 | Zig:18   | Killed from afar by a shock serpent (7 damage)
                  | ... with a bolt of electricity
266225 | Zig:18   | HP: 6/199 [storm dragon/bolt of lightning (9)]
266225 | Zig:18   | Killed by the air
                  | ... invoked by a titan
                  | (22 damage)
266269 | Zig:18   | HP: 9/199 [spriggan air mage/the air (7)]
266273 | Zig:18   | Killed by the air
                  | ... invoked by a spriggan air mage
                  | (16 damage)
266601 | Zig:19   | Entered Level 19 of a ziggurat
266625 | Zig:19   | Slain by a Tzitzimitl (22 damage)
266646 | Zig:19   | Killed by an exploding demonspawn blood saint (40 damage)
                  | ... ignited by their inner flame
266673 | Zig:19   | HP: 1/199 [demonspawn blood saint/iceblast (18)]
266673 | Zig:19   | Killed from afar by a demonspawn blood saint (50 damage)
                  | ... with a fireball
266674 | Zig:19   | Lost mutation: You are agile. (Dex +4, Str/Int -1) [a
                  | cacodemon]
266684 | Zig:19   | HP: 2/199 [demonspawn black sun/+0 vampiric demon whip
                  | (18)]
266685 | Zig:19   | Killed by divine providence
                  | ... invoked by a balrug
                  | (9 damage)
266703 | Zig:19   | Killed from afar by a Brimstone Fiend (38 damage)
                  | ... with damnation
266714 | Zig:19   | Noticed Saenitey the pandemonium lord
266731 | Zig:19   | Killed Saenitey the pandemonium lord
266747 | Zig:19   | HP: 5/199 [Ice Fiend/bolt of cold (5)]
266748 | Zig:19   | HP: 1/199 [blizzard demon/bolt of cold (4)]
266751 | Zig:19   | Slain by an Ice Fiend (8 damage)
267074 | Zig:19   | Identified the +1 fire dragon scales "Quopih" {Harm Drain
                  | rPois rF++ rC-}
267082 | Zig:19   | Identified the +3 dagger of Geisur {heavy, Fly Str-4 SInv
                  | Stlth+}
267102 | Zig:19   | Identified the ring of Lilacs {Wiz rC++ Will+ Str+3 Dex-3}
267116 | Zig:19   | Identified the staff of conjuration "Bupuhuol" {Fragile
                  | +Blink Will+ Dex+3}
267158 | Zig:20   | Entered Level 20 of a ziggurat
267437 | Zig:20   | Identified the +9 mace of Ittebu {drain, *Noise rCorr
                  | Int+2}
267439 | Zig:20   | Identified the ring "Ecoisusu" {MP+9 Str+5 Int-5}
267446 | Zig:20   | Identified the +3 lajatang of Eternity {flame, Str+3 Int-4
                  | Stlth+}
267452 | Zig:20   | Identified the +9 short sword "Addud" {protect, rPois rF-
                  | rC+ Stlth+}
267453 | Zig:20   | Identified the staff of earth "Erghuegop" {rPois Int+5
                  | Dex-3 SInv}
267457 | Zig:20   | Identified the +1 scale mail "Qiwn" {Will++ rCorr Int+3}
267458 | Zig:20   | Identified the +0 leather armour of Anaesthesia {Harm}
267479 | Zig:20   | Acquired 280 gold pieces
267487 | Zig:20   | Learned a level 4 spell: Olgreb's Toxic Radiance
267491 | Zig:20   | Learned a level 3 spell: Ignite Poison
267495 | Zig:21   | Entered Level 21 of a ziggurat
267956 | Zig:21   | Identified the +10 halberd of Doubt {pain, rPois Will+
                  | rCorr Dex+3}
267965 | Zig:21   | Identified the +1 scale mail of the Thirsty Runes {+Blink
                  | Will+ Int+7 Slay-5}
267974 | Zig:21   | Identified the +4 sling of Nemelex Xobeh's Hope {drain,
                  | Fragile rC+ Dex+3}
267986 | Zig:21   | Identified the +4 dagger of Estrei Xyib {flame, Dex+3}
267988 | Zig:21   | Identified the +4 bardiche of Sharp Innocence {flame,
                  | +Blink rElec Will- Int+6}
267991 | Zig:21   | Identified the staff of cold "Cuof" {rC+ rCorr Str+2}
267992 | Zig:21   | Identified the ring of Emnien {Contam rElec rN+ Int+2 Dex+6
                  | SInv}
267994 | Zig:21   | Identified the +2 ring mail of Equsk {Drain rN+ Will+
                  | Dex+2}
267995 | Zig:21   | Identified the +7 scimitar "Xinnar" {freeze, Int+3 SInv}
268004 | Zig:21   | Identified the +7 long sword of Sloth {freeze, rF+ rN+
                  | Str+3}
268020 | Zig:21   | Learned a level 6 spell: Eringya's Noxious Bog
268029 | Zig:22   | Entered Level 22 of a ziggurat
268033 | Zig:22   | Paralysed by accursed screaming for 2 turns
268081 | Zig:22   | Noticed an ancient lich
268086 | Zig:22   | Killed from afar by a starcursed mass (45 damage)
                  | ... with an accursed screaming
268089 | Zig:22   | Paralysed by accursed screaming for 2 turns
268097 | Zig:22   | Killed an ancient lich
268120 | Zig:22   | HP: 6/199 [bone dragon (7)]
268120 | Zig:22   | Killed from afar by a raiju (6 damage)
                  | ... with a living lightning
268128 | Zig:22   | Paralysed by accursed screaming for 2 turns
268202 | Zig:22   | HP: 2/199 [spore (45)]
268208 | Zig:22   | HP: 1/179 [bone dragon (4)]
268210 | Zig:22   | Slain by a bone dragon (7 damage)
268241 | Zig:22   | Paralysed by you for 2 turns
268341 | Zig:22   | Killed a starcursed mass
268705 | Zig:22   | Identified the +6 triple sword "Koup" {elec, Fly rC+ Int+3
                  | Dex+2}
268708 | Zig:22   | Identified the +3 dagger "Sicip" {freeze, rC+ Will+}
268710 | Zig:22   | Identified the amulet of Syndicalism {Faith rC+ Regen+
                  | Str-5 Int+6}
268720 | Zig:22   | Identified the +0 ring mail "Fock" {rC+ Dex+2}
268725 | Zig:22   | Identified the staff of poison "Weopp" {Contam rPois Int+5
                  | Dex+3}
268730 | Zig:22   | Identified the +9 long sword of the Forging Messenger
                  | {heavy, Will+ Stlth+}
268731 | Zig:22   | Identified the amulet "Dukham" {Faith rElec Int+4}
268758 | Zig:22   | Learned a level 6 spell: Conjure Ball Lightning
268763 | Zig:22   | Learned a level 4 spell: Manifold Assault
268772 | Zig:23   | Entered Level 23 of a ziggurat
268772 | Zig:23   | Noticed a royal mummy
268772 | Zig:23   | Noticed a dread lich
268772 | Zig:23   | Noticed a royal mummy
268772 | Zig:23   | Noticed a royal mummy
268772 | Zig:23   | Noticed a royal mummy
268772 | Zig:23   | Noticed a royal mummy
268772 | Zig:23   | Noticed a royal mummy
268772 | Zig:23   | Noticed a royal mummy
268772 | Zig:23   | Noticed a royal mummy
268772 | Zig:23   | Noticed a royal mummy
268772 | Zig:23   | Noticed a royal mummy
268772 | Zig:23   | Noticed a royal mummy
268772 | Zig:23   | Noticed a royal mummy
268772 | Zig:23   | Noticed a royal mummy
268772 | Zig:23   | Noticed a royal mummy
268772 | Zig:23   | Noticed a royal mummy
268772 | Zig:23   | Noticed a royal mummy
268773 | Zig:23   | Noticed a royal mummy
268777 | Zig:23   | HP: 3/199 [something (16)]
268777 | Zig:23   | Killed by a guardian mummy's death curse (12 damage)
268777 | Zig:23   | Noticed a royal mummy
268777 | Zig:23   | Noticed a royal mummy
268779 | Zig:23   | Killed by divine providence
                  | ... invoked by a mummy priest
                  | (14 damage)
268779 | Zig:23   | Noticed a royal mummy
268781 | Zig:23   | Noticed a royal mummy
268783 | Zig:23   | HP: 4/199 [royal mummy/divine providence (11)]
268784 | Zig:23   | Killed a royal mummy
268784 | Zig:23   | Killed a royal mummy
268784 | Zig:23   | Killed a royal mummy
268784 | Zig:23   | Killed a dread lich
268784 | Zig:23   | Killed a royal mummy
268784 | Zig:23   | Killed a royal mummy
268784 | Zig:23   | Killed by a mummy priest's death curse (12 damage)
268784 | Zig:23   | Noticed a royal mummy
268785 | Zig:23   | Noticed a royal mummy
268785 | Zig:23   | Killed a royal mummy
268785 | Zig:23   | Killed a royal mummy
268785 | Zig:23   | Killed a royal mummy
268785 | Zig:23   | Killed a royal mummy
268785 | Zig:23   | Killed a royal mummy
268785 | Zig:23   | Killed a royal mummy
268785 | Zig:23   | Killed a royal mummy
268785 | Zig:23   | Killed a royal mummy
268785 | Zig:23   | Killed a royal mummy
268785 | Zig:23   | Killed a royal mummy
268785 | Zig:23   | Killed a royal mummy
268785 | Zig:23   | Killed a royal mummy
268785 | Zig:23   | Killed by a royal mummy's death curse (17 damage)
268786 | Zig:23   | Noticed a royal mummy
268787 | Zig:23   | Killed a royal mummy
268787 | Zig:23   | Noticed a royal mummy
268788 | Zig:23   | Killed a royal mummy
268788 | Zig:23   | Noticed a royal mummy
268788 | Zig:23   | Noticed a royal mummy
268789 | Zig:23   | Noticed a royal mummy
268791 | Zig:23   | Killed a royal mummy
268793 | Zig:23   | Noticed a royal mummy
268793 | Zig:23   | Killed by divine providence
                  | ... invoked by a royal mummy
                  | (16 damage)
268794 | Zig:23   | Noticed a royal mummy
268794 | Zig:23   | Noticed a royal mummy
268795 | Zig:23   | Killed a royal mummy
268795 | Zig:23   | Killed a royal mummy
268795 | Zig:23   | Noticed a royal mummy
268795 | Zig:23   | Noticed a royal mummy
268797 | Zig:23   | Noticed a royal mummy
268797 | Zig:23   | Noticed a royal mummy
268797 | Zig:23   | Noticed a royal mummy
268798 | Zig:23   | HP: 6/199 [bennu (12)]
268799 | Zig:23   | Killed a royal mummy
268799 | Zig:23   | Killed by a mummy priest's death curse (9 damage)
268799 | Zig:23   | Killed a royal mummy
268802 | Zig:23   | Killed a royal mummy
268802 | Zig:23   | Noticed a royal mummy
268802 | Zig:23   | Noticed a royal mummy
268805 | Zig:23   | Noticed a royal mummy
268805 | Zig:23   | Killed a royal mummy
268805 | Zig:23   | Killed a royal mummy
268806 | Zig:23   | Killed a royal mummy
268806 | Zig:23   | Killed by a royal mummy's death curse (12 damage)
268808 | Zig:23   | Noticed a royal mummy
268809 | Zig:23   | Killed a royal mummy
268810 | Zig:23   | Killed a royal mummy
268811 | Zig:23   | Killed a royal mummy
268811 | Zig:23   | Killed a royal mummy
268812 | Zig:23   | Killed a royal mummy
268812 | Zig:23   | Killed a royal mummy
268812 | Zig:23   | Killed a royal mummy
268812 | Zig:23   | Killed by a royal mummy's death curse (29 damage)
268812 | Zig:23   | Noticed a royal mummy
268814 | Zig:23   | Noticed a royal mummy
268815 | Zig:23   | Killed a royal mummy
268816 | Zig:23   | Killed a royal mummy
268816 | Zig:23   | Killed a royal mummy
268816 | Zig:23   | Noticed a royal mummy
268817 | Zig:23   | Noticed a royal mummy
268819 | Zig:23   | Killed a royal mummy
268819 | Zig:23   | Noticed a royal mummy
268820 | Zig:23   | HP: 9/199 [spore (11)]
268820 | Zig:23   | Noticed a royal mummy
268820 | Zig:23   | Noticed a royal mummy
268821 | Zig:23   | Killed by an exploding ball lightning (9 damage)
268821 | Zig:23   | Noticed a royal mummy
268822 | Zig:23   | Noticed a royal mummy
268824 | Zig:23   | Killed a royal mummy
268828 | Zig:23   | HP: 5/199 [royal mummy/divine providence (10)]
268828 | Zig:23   | Killed by divine providence
                  | ... invoked by a royal mummy
                  | (10 damage)
268830 | Zig:23   | Killed a royal mummy
268831 | Zig:23   | Killed a royal mummy
268831 | Zig:23   | Killed a royal mummy
268831 | Zig:23   | Killed a royal mummy
268831 | Zig:23   | Killed a royal mummy
268832 | Zig:23   | Noticed a royal mummy
268832 | Zig:23   | Killed a royal mummy
268832 | Zig:23   | Killed a royal mummy
268832 | Zig:23   | Noticed a royal mummy
268834 | Zig:23   | Killed a royal mummy
268834 | Zig:23   | HP: 9/199 [something (27)]
268834 | Zig:23   | Killed a royal mummy
268834 | Zig:23   | Killed by a royal mummy's death curse (19 damage)
268840 | Zig:23   | Noticed a royal mummy
268843 | Zig:23   | Noticed a royal mummy
268845 | Zig:23   | Killed a royal mummy
268853 | Zig:23   | Noticed a royal mummy
268853 | Zig:23   | Killed a royal mummy
268853 | Zig:23   | Noticed a royal mummy
268855 | Zig:23   | Noticed a royal mummy
268855 | Zig:23   | HP: 6/199 [royal mummy/divine providence (13)]
268859 | Zig:23   | Killed a royal mummy
268859 | Zig:23   | Killed by a royal mummy's death curse (22 damage)
268859 | Zig:23   | Noticed a royal mummy
268860 | Zig:23   | Killed a royal mummy
268860 | Zig:23   | Noticed a royal mummy
268862 | Zig:23   | Noticed a royal mummy
268862 | Zig:23   | Noticed a royal mummy
268862 | Zig:23   | Noticed a royal mummy
268863 | Zig:23   | Noticed a dread lich
268863 | Zig:23   | Noticed a royal mummy
268865 | Zig:23   | Killed a royal mummy
268866 | Zig:23   | HP: 3/199 [royal mummy/divine providence (13)]
268867 | Zig:23   | Noticed a royal mummy
268867 | Zig:23   | Killed by divine providence
                  | ... invoked by a royal mummy
                  | (14 damage)
268868 | Zig:23   | Killed a royal mummy
268868 | Zig:23   | Noticed a royal mummy
268869 | Zig:23   | Noticed a royal mummy
268869 | Zig:23   | Noticed a royal mummy
268871 | Zig:23   | Noticed a royal mummy
268872 | Zig:23   | Noticed a royal mummy
268872 | Zig:23   | Noticed a royal mummy
268873 | Zig:23   | Noticed a royal mummy
268874 | Zig:23   | HP: 9/199 [??? (1)]
268875 | Zig:23   | Killed by divine providence
                  | ... invoked by a royal mummy
                  | (12 damage)
268876 | Zig:23   | Noticed a royal mummy
268876 | Zig:23   | Noticed a royal mummy
268877 | Zig:23   | Killed a royal mummy
268877 | Zig:23   | Killed a royal mummy
268877 | Zig:23   | Killed a royal mummy
268877 | Zig:23   | Killed a royal mummy
268877 | Zig:23   | Noticed a royal mummy
268877 | Zig:23   | Noticed a royal mummy
268878 | Zig:23   | Killed a dread lich
268879 | Zig:23   | Noticed a royal mummy
268879 | Zig:23   | Noticed a royal mummy
268879 | Zig:23   | Noticed a royal mummy
268879 | Zig:23   | Noticed a royal mummy
268879 | Zig:23   | Noticed a royal mummy
268879 | Zig:23   | Noticed a royal mummy
268879 | Zig:23   | Noticed a royal mummy
268879 | Zig:23   | Noticed a royal mummy
268879 | Zig:23   | Noticed a royal mummy
268879 | Zig:23   | Noticed a royal mummy
268879 | Zig:23   | Noticed a royal mummy
268879 | Zig:23   | Noticed a royal mummy
268879 | Zig:23   | Noticed a royal mummy
268879 | Zig:23   | Noticed a royal mummy
268879 | Zig:23   | Mangled by a golden dragon zombie (19 damage)
268880 | Zig:23   | Killed a royal mummy
268880 | Zig:23   | Killed a royal mummy
268880 | Zig:23   | Killed a royal mummy
268880 | Zig:23   | Killed a royal mummy
268881 | Zig:23   | Killed a royal mummy
268881 | Zig:23   | HP: 9/199 [something (9)]
268881 | Zig:23   | Killed by divine providence
                  | ... invoked by a royal mummy
                  | (10 damage)
268881 | Zig:23   | Noticed a royal mummy
268883 | Zig:23   | Killed a royal mummy
268884 | Zig:23   | Killed a royal mummy
268884 | Zig:23   | Noticed a royal mummy
268884 | Zig:23   | Killed by divine providence
                  | ... invoked by a royal mummy
                  | (12 damage)
268884 | Zig:23   | Killed a royal mummy
268884 | Zig:23   | Killed a royal mummy
268884 | Zig:23   | Killed a royal mummy
268885 | Zig:23   | Noticed a royal mummy
268886 | Zig:23   | Killed a royal mummy
268887 | Zig:23   | Killed a royal mummy
268887 | Zig:23   | Noticed a royal mummy
268887 | Zig:23   | Noticed a royal mummy
268887 | Zig:23   | Noticed a royal mummy
268888 | Zig:23   | Killed a royal mummy
268888 | Zig:23   | Killed a royal mummy
268888 | Zig:23   | HP: 9/199 [??? (1)]
268888 | Zig:23   | Killed by divine providence
                  | ... invoked by a royal mummy
                  | (10 damage)
268889 | Zig:23   | Killed a royal mummy
268889 | Zig:23   | Killed a royal mummy
268889 | Zig:23   | Killed a royal mummy
268889 | Zig:23   | Killed a royal mummy
268889 | Zig:23   | Noticed a royal mummy
268890 | Zig:23   | Killed a royal mummy
268890 | Zig:23   | Killed a royal mummy
268890 | Zig:23   | Killed a royal mummy
268890 | Zig:23   | Killed by a royal mummy's death curse (21 damage)
268892 | Zig:23   | Killed a royal mummy
268892 | Zig:23   | Killed a royal mummy
268892 | Zig:23   | Killed a royal mummy
268892 | Zig:23   | Killed a royal mummy
268892 | Zig:23   | Killed a royal mummy
268892 | Zig:23   | Killed a royal mummy
268892 | Zig:23   | Noticed a royal mummy
268892 | Zig:23   | Noticed a royal mummy
268893 | Zig:23   | Killed a royal mummy
268893 | Zig:23   | Killed a royal mummy
268893 | Zig:23   | Noticed a royal mummy
268894 | Zig:23   | Noticed a royal mummy
268894 | Zig:23   | Noticed a royal mummy
268894 | Zig:23   | Noticed a royal mummy
268895 | Zig:23   | HP: 9/199 [??? (1)]
268896 | Zig:23   | Killed a royal mummy
268896 | Zig:23   | Killed a royal mummy
268896 | Zig:23   | Killed by a guardian mummy's death curse (14 damage)
268896 | Zig:23   | Noticed a royal mummy
268896 | Zig:23   | Noticed a royal mummy
268896 | Zig:23   | Noticed a royal mummy
268899 | Zig:23   | Noticed a royal mummy
268900 | Zig:23   | Killed a royal mummy
268900 | Zig:23   | Killed a royal mummy
268900 | Zig:23   | Killed a royal mummy
268900 | Zig:23   | Killed a royal mummy
268900 | Zig:23   | HP: 3/199 [something (28)]
268900 | Zig:23   | Noticed a royal mummy
268900 | Zig:23   | Killed by divine providence
                  | ... invoked by a royal mummy
                  | (14 damage)
268901 | Zig:23   | Killed a royal mummy
268903 | Zig:23   | Killed a royal mummy
268905 | Zig:23   | Killed a royal mummy
268905 | Zig:23   | Killed a royal mummy
268905 | Zig:23   | Noticed a royal mummy
268907 | Zig:23   | Noticed a royal mummy
268908 | Zig:23   | HP: 6/199 [royal mummy/divine providence (12)]
268910 | Zig:23   | Noticed a royal mummy
268911 | Zig:23   | Killed a royal mummy
268911 | Zig:23   | Killed a royal mummy
268911 | Zig:23   | Killed by a mummy priest's death curse (15 damage)
268917 | Zig:23   | Killed a royal mummy
268917 | Zig:23   | Killed a royal mummy
268918 | Zig:23   | HP: 2/199 [death scarab[a royal mummy] (12)]
268918 | Zig:23   | Killed by divine providence
                  | ... invoked by a royal mummy
                  | (11 damage)
268919 | Zig:23   | Noticed a royal mummy
268920 | Zig:23   | Killed a royal mummy
268923 | Zig:23   | Killed a royal mummy
268923 | Zig:23   | Killed a royal mummy
268924 | Zig:23   | Killed a royal mummy
268926 | Zig:23   | Killed a royal mummy
268927 | Zig:23   | Killed a royal mummy
268927 | Zig:23   | Killed by a royal mummy's death curse (25 damage)
268928 | Zig:23   | Killed a royal mummy
268929 | Zig:23   | Noticed a royal mummy
268935 | Zig:23   | Killed a royal mummy
268942 | Zig:23   | Killed a royal mummy
268942 | Zig:23   | Noticed a royal mummy
268944 | Zig:23   | Gained mutation: You are clumsy. (Dex -2) [a neqoxec]
268951 | Zig:23   | Killed a royal mummy
269359 | Zig:23   | Identified the +6 falchion of Extremism {drain, Int+5}
269375 | Zig:23   | Identified the amulet of the Scarab {Acrobat rPois Int+5
                  | Stlth+}
269378 | Zig:23   | Identified the staff of poison "Guof" {rPois rCorr SInv
                  | Stlth-}
269384 | Zig:23   | Identified the +8 broad axe of Hell's Wrath {heavy, Str+2}
269391 | Zig:23   | Identified the +6 executioner's axe of Terror {drain, SInv}
269398 | Zig:23   | Identified the +0 scale mail of Lune {*Corrode Int+6}
269404 | Zig:23   | Identified the +0 quarterstaff of an ice cave {heavy, rF+
                  | rN+ Dex+3}
269405 | Zig:23   | Identified the +7 eveningstar of Quick Death {protect,
                  | Will+}
269432 | Zig:23   | Identified the ring of Sloth {rElec rC+ Str-5 Int+8 Dex+3}
269440 | Zig:23   | Identified the amulet of Inisyph {Faith Dex+2}
269443 | Zig:23   | Identified the +9 long sword of Discomfort {flame, rPois
                  | rCorr SInv}
269448 | Zig:23   | Identified the +1 robe "Vaxzep" {Dex+3}
269476 | Zig:24   | Entered Level 24 of a ziggurat
269612 | Zig:24   | Identified the staff of fire "Ejibamuk" {rPois rF+}
269613 | Zig:24   | Identified the staff of death "Notanah" {+Blink rElec rF-
                  | rN+ rCorr}
269617 | Zig:24   | Identified the amulet "Uzugeity" {Reflect +Inv Regen+ Int+3
                  | Dex+4 SH+5}
269792 | Zig:24   | Identified the staff of earth "Boma Fau" {rN+ MP+9 Int-4
                  | Dex+5}
269800 | Zig:24   | Identified the +4 long sword "Usmidd" {speed, Str+5}
269820 | Zig:24   | Identified the +6 mace "Boduwin" {venom, rElec Str+8 Dex-2}
269824 | Zig:24   | Identified the +0 scale mail "Ruerph" {+Inv rC++ SInv}
269850 | Zig:24   | Identified the +2 triple crossbow "Itakloc" {heavy, rElec
                  | rPois rC++ Dex-3}
269853 | Zig:24   | Identified the ring of Kaeps {+Blink Int+6}
269869 | Zig:24   | Identified the +0 pair of boots of Grim Contentment {rC+
                  | Str+3}
269925 | Zig:24   | Acquired the +5 kite shield of Fallacy {rElec rN++ Will+++
                  | Int-2}
269927 | Zig:24   | Acquired 1055 gold pieces
269929 | Zig:24   | Acquired 676 gold pieces
269969 | Zig:25   | Entered Level 25 of a ziggurat
269973 | Zig:25   | Noticed Saogg the pandemonium lord
269974 | Zig:25   | Noticed Acufuer the pandemonium lord
269974 | Zig:25   | Noticed Xoro the pandemonium lord
269974 | Zig:25   | Noticed Okereg the pandemonium lord
269975 | Zig:25   | Noticed Akuhod the pandemonium lord
269975 | Zig:25   | Noticed Foshrofum the pandemonium lord
269975 | Zig:25   | Noticed Bout the pandemonium lord
269976 | Zig:25   | Noticed Dephusis the pandemonium lord
269976 | Zig:25   | Noticed Vifec the pandemonium lord
269976 | Zig:25   | Noticed Jecsiaw the pandemonium lord
269976 | Zig:25   | Noticed Alihuybe the pandemonium lord
269976 | Zig:25   | Noticed Nuri the pandemonium lord
269976 | Zig:25   | Noticed Anot the pandemonium lord
269976 | Zig:25   | Noticed Caoduergh the pandemonium lord
269976 | Zig:25   | Noticed Wuff the pandemonium lord
269976 | Zig:25   | Noticed Ysanun the pandemonium lord
269976 | Zig:25   | Noticed Orathan the pandemonium lord
269976 | Zig:25   | Noticed Alyehiy the pandemonium lord
269976 | Zig:25   | Noticed Hutiples the pandemonium lord
269976 | Zig:25   | Noticed Oficryer the pandemonium lord
269976 | Zig:25   | Noticed Wakialue the pandemonium lord
269976 | Zig:25   | Noticed Houm the pandemonium lord
269976 | Zig:25   | Noticed Ywomutis the pandemonium lord
269976 | Zig:25   | Noticed Weloic the pandemonium lord
269976 | Zig:25   | Noticed Moheof the pandemonium lord
269976 | Zig:25   | Noticed Xedoesacs the pandemonium lord
269976 | Zig:25   | Noticed Wintoc the pandemonium lord
269976 | Zig:25   | Noticed Ziuj the pandemonium lord
269976 | Zig:25   | Noticed Venucw the pandemonium lord
269976 | Zig:25   | Noticed Valixy the pandemonium lord
269976 | Zig:25   | Noticed Avve Bil the pandemonium lord
269976 | Zig:25   | Noticed Kiroxeank the pandemonium lord
269976 | Zig:25   | Noticed Mant the pandemonium lord
269976 | Zig:25   | Noticed Xamnaxio the pandemonium lord
269976 | Zig:25   | Noticed Gaghi the pandemonium lord
269976 | Zig:25   | Noticed Zethuv the pandemonium lord
269976 | Zig:25   | Noticed Qometuq the pandemonium lord
269976 | Zig:25   | Noticed Kylaet the pandemonium lord
269976 | Zig:25   | Noticed Hodysi the pandemonium lord
269976 | Zig:25   | Noticed Colepra the pandemonium lord
269976 | Zig:25   | Noticed Cashriqee the pandemonium lord
269977 | Zig:25   | Noticed Liomuva the pandemonium lord
269980 | Zig:25   | Killed Mant the pandemonium lord
269980 | Zig:25   | Killed Anot the pandemonium lord
269980 | Zig:25   | Killed Zethuv the pandemonium lord
269980 | Zig:25   | Killed Xedoesacs the pandemonium lord
269980 | Zig:25   | Killed Akuhod the pandemonium lord
269980 | Zig:25   | Killed Xoro the pandemonium lord
269980 | Zig:25   | Noticed Huojiess the pandemonium lord
269980 | Zig:25   | Noticed Naluq the pandemonium lord
269980 | Zig:25   | Noticed Eplaak the pandemonium lord
269981 | Zig:25   | Killed Wakialue the pandemonium lord
269981 | Zig:25   | Killed Hodysi the pandemonium lord
269981 | Zig:25   | Killed Qometuq the pandemonium lord
269981 | Zig:25   | Killed Bout the pandemonium lord
269981 | Zig:25   | Killed Colepra the pandemonium lord
269981 | Zig:25   | Killed Xamnaxio the pandemonium lord
269981 | Zig:25   | Killed Cashriqee the pandemonium lord
269981 | Zig:25   | Killed Venucw the pandemonium lord
269981 | Zig:25   | Killed Moheof the pandemonium lord
269981 | Zig:25   | Noticed Jeyl the pandemonium lord
269981 | Zig:25   | Noticed Feihugo the pandemonium lord
269981 | Zig:25   | Noticed Qiodakop the pandemonium lord
269982 | Zig:25   | Noticed Kiloanus the pandemonium lord
269982 | Zig:25   | Noticed Sukos the pandemonium lord
269982 | Zig:25   | Killed Gaghi the pandemonium lord
269983 | Zig:25   | Killed Caoduergh the pandemonium lord
269983 | Zig:25   | Killed Wuff the pandemonium lord
269983 | Zig:25   | Killed Houm the pandemonium lord
269983 | Zig:25   | Killed Acufuer the pandemonium lord
269983 | Zig:25   | Killed Alyehiy the pandemonium lord
269983 | Zig:25   | Killed Ywomutis the pandemonium lord
269983 | Zig:25   | Killed Ziuj the pandemonium lord
269983 | Zig:25   | Killed Wintoc the pandemonium lord
269984 | Zig:25   | Killed Kylaet the pandemonium lord
269984 | Zig:25   | Killed Avve Bil the pandemonium lord
269984 | Zig:25   | Killed Dephusis the pandemonium lord
269984 | Zig:25   | Killed Ysanun the pandemonium lord
269984 | Zig:25   | Noticed Hoek the pandemonium lord
269985 | Zig:25   | Killed Kiroxeank the pandemonium lord
269985 | Zig:25   | Killed Jecsiaw the pandemonium lord
269985 | Zig:25   | Killed Valixy the pandemonium lord
269986 | Zig:25   | Noticed Ziuvymem the pandemonium lord
269986 | Zig:25   | Killed Nuri the pandemonium lord
269986 | Zig:25   | Killed Hutiples the pandemonium lord
269987 | Zig:25   | Killed Naluq the pandemonium lord
269987 | Zig:25   | Killed Okereg the pandemonium lord
269987 | Zig:25   | Killed Orathan the pandemonium lord
269987 | Zig:25   | Killed Saogg the pandemonium lord
269987 | Zig:25   | Noticed Himophed the pandemonium lord
269987 | Zig:25   | Noticed Moekhlat the pandemonium lord
269987 | Zig:25   | Noticed Zotoacwi the pandemonium lord
269987 | Zig:25   | Noticed Atsosidgh the pandemonium lord
269988 | Zig:25   | Noticed Osaq the pandemonium lord
269988 | Zig:25   | Killed Liomuva the pandemonium lord
269988 | Zig:25   | Killed Oficryer the pandemonium lord
269988 | Zig:25   | Killed Kiloanus the pandemonium lord
269988 | Zig:25   | Noticed Dohar the pandemonium lord
269988 | Zig:25   | Noticed Weviptemi the pandemonium lord
269988 | Zig:25   | Noticed Jouneatru the pandemonium lord
269988 | Zig:25   | Noticed Osufumoa the pandemonium lord
269989 | Zig:25   | Noticed Kiefi the pandemonium lord
269989 | Zig:25   | Noticed Deut the pandemonium lord
269989 | Zig:25   | Noticed Ushor the pandemonium lord
269989 | Zig:25   | Noticed Enuuddor the pandemonium lord
269989 | Zig:25   | Noticed Piul the pandemonium lord
269989 | Zig:25   | Noticed Venefoq the pandemonium lord
269989 | Zig:25   | Noticed Osy Hug the pandemonium lord
269989 | Zig:25   | Killed Foshrofum the pandemonium lord
269989 | Zig:25   | Noticed Vaiwu the pandemonium lord
269989 | Zig:25   | Noticed Vugeo the pandemonium lord
269989 | Zig:25   | Noticed Gadydy the pandemonium lord
269989 | Zig:25   | Noticed Karuxti the pandemonium lord
269990 | Zig:25   | Noticed Julug the pandemonium lord
269990 | Zig:25   | Noticed Hiexkaoph the pandemonium lord
269991 | Zig:25   | Noticed Pudud the pandemonium lord
269991 | Zig:25   | Killed Alihuybe the pandemonium lord
269991 | Zig:25   | Noticed Yllor the pandemonium lord
269991 | Zig:25   | Noticed Zostrezite the pandemonium lord
269991 | Zig:25   | Noticed Extit the pandemonium lord
269992 | Zig:25   | Noticed Nutezo the pandemonium lord
269992 | Zig:25   | Killed Eplaak the pandemonium lord
269992 | Zig:25   | Killed Vifec the pandemonium lord
269992 | Zig:25   | Noticed Ocytooss the pandemonium lord
269993 | Zig:25   | Killed Weloic the pandemonium lord
269993 | Zig:25   | Noticed Zougukab the pandemonium lord
269993 | Zig:25   | Noticed Jemoshic the pandemonium lord
269993 | Zig:25   | Noticed Noicen the pandemonium lord
269994 | Zig:25   | Noticed Nownuyts the pandemonium lord
269995 | Zig:25   | Noticed Lapewen the pandemonium lord
269996 | Zig:25   | Noticed Ditzocze the pandemonium lord
269997 | Zig:25   | Noticed Cutush the pandemonium lord
269997 | Zig:25   | Noticed Utugay the pandemonium lord
269998 | Zig:25   | Killed Atsosidgh the pandemonium lord
269998 | Zig:25   | Killed Ushor the pandemonium lord
269998 | Zig:25   | Killed Extit the pandemonium lord
269999 | Zig:25   | Killed Hoek the pandemonium lord
269999 | Zig:25   | Killed Sukos the pandemonium lord
269999 | Zig:25   | Killed Venefoq the pandemonium lord
269999 | Zig:25   | Killed Dohar the pandemonium lord
269999 | Zig:25   | Killed Pudud the pandemonium lord
269999 | Zig:25   | Killed Yllor the pandemonium lord
269999 | Zig:25   | Noticed Pyutaof the pandemonium lord
269999 | Zig:25   | Mangled by Osy Hug the pandemonium lord (22 damage)
269999 | Zig:25   | Noticed Ocoej the pandemonium lord
269999 | Zig:25   | Killed Huojiess the pandemonium lord
270000 | Zig:25   | Noticed Qeadikhlu the pandemonium lord
270000 | Zig:25   | Noticed Vuoleffyu the pandemonium lord
270000 | Zig:25   | Noticed Bazeosa the pandemonium lord
270001 | Zig:25   | Noticed Giulaos the pandemonium lord
270001 | Zig:25   | Killed Qiodakop the pandemonium lord
270003 | Zig:25   | Noticed Cixkithri the pandemonium lord
270004 | Abyss:5  | Cast into level 5 of the Abyss (Noicen)
270034 | Abyss:5  | Found a bloodstained altar of Trog.
270034 | Abyss:5  | Found a shimmering altar of Xom.
270034 | Abyss:5  | Found a sparkling altar of Nemelex Xobeh.
270034 | Abyss:5  | Found an ancient bone altar of Kikubaaqudgha.
270034 | Abyss:5  | Found a broken altar of Ashenzari.
270034 | Abyss:5  | Found a radiant altar of Vehumet.
270034 | Abyss:5  | Found a hide-covered altar of Uskayaw.
270034 | Abyss:5  | Found a burning altar of Makhleb.
270034 | Abyss:5  | Found a snail-covered altar of Cheibriados.
270034 | Abyss:5  | Found a stormy altar of Qazlal.
270038 | Abyss:5  | Found an iron altar of Okawaru.
270040 | Abyss:5  | Found a basalt altar of Yredelemnul.
270040 | Abyss:5  | Found an opulent altar of Gozag.
270040 | Abyss:5  | Found a glowing silver altar of Zin.
270042 | Abyss:5  | Found a shimmering blue altar of Sif Muna.
270042 | Abyss:5  | Found a hazy altar of Hepliaklqana.
270042 | Abyss:5  | Found a shadowy altar of Dithmenos.
270042 | Abyss:5  | Found a glowing golden altar of the Shining One.
270061 | Abyss:5  | Paralysed by accursed screaming for 1 turns
270063 | Abyss:5  | Found a shimmering blue altar of Sif Muna.
270065 | Abyss:5  | Found a white marble altar of Elyvilon.
270065 | Abyss:5  | Found a glowing golden altar of the Shining One.
270065 | Abyss:5  | Found an ornate altar of the Wu Jian Council.
270107 | Abyss:5  | HP: 6/199 [starcursed mass/accursed screaming (7)]
270273 | Zig:25   | Escaped the Abyss
270273 | Zig:25   | Noticed Atuxte the pandemonium lord
270273 | Zig:25   | Noticed Qebleic the pandemonium lord
270273 | Zig:25   | Noticed Mom Zoom the pandemonium lord
270274 | Zig:25   | Noticed Qeacseck the pandemonium lord
270275 | Zig:25   | Noticed Kietias the pandemonium lord
270275 | Zig:25   | Noticed Bail the pandemonium lord
270275 | Zig:25   | Noticed Naillor the pandemonium lord
270276 | Zig:25   | Killed Himophed the pandemonium lord
270276 | Zig:25   | Killed Giulaos the pandemonium lord
270277 | Zig:25   | Killed Jemoshic the pandemonium lord
270278 | Zig:25   | Killed Pyutaof the pandemonium lord
270279 | Zig:25   | Killed Jouneatru the pandemonium lord
270279 | Zig:25   | Killed Mom Zoom the pandemonium lord
270279 | Zig:25   | Noticed Kugaq the pandemonium lord
270279 | Zig:25   | Killed Cutush the pandemonium lord
270280 | Zig:25   | Killed Nutezo the pandemonium lord
270280 | Zig:25   | Killed Feihugo the pandemonium lord
270280 | Zig:25   | Killed Vuoleffyu the pandemonium lord
270280 | Zig:25   | Killed Osufumoa the pandemonium lord
270280 | Zig:25   | Killed Zotoacwi the pandemonium lord
270280 | Zig:25   | Killed Cixkithri the pandemonium lord
270280 | Zig:25   | Killed Ocoej the pandemonium lord
270280 | Zig:25   | Killed Qeadikhlu the pandemonium lord
270280 | Zig:25   | Killed Bail the pandemonium lord
270280 | Zig:25   | Killed Zougukab the pandemonium lord
270280 | Zig:25   | Noticed Nakyteha the pandemonium lord
270280 | Zig:25   | Noticed Uggaaro the pandemonium lord
270280 | Zig:25   | Killed Kietias the pandemonium lord
270280 | Zig:25   | Killed Weviptemi the pandemonium lord
270281 | Zig:25   | Killed Julug the pandemonium lord
270281 | Zig:25   | Noticed Yfackio the pandemonium lord
270281 | Zig:25   | Killed Ditzocze the pandemonium lord
270282 | Zig:25   | Killed Jeyl the pandemonium lord
270282 | Zig:25   | Killed Piul the pandemonium lord
270282 | Zig:25   | Killed Qeacseck the pandemonium lord
270282 | Zig:25   | Killed Deut the pandemonium lord
270283 | Zig:25   | Killed Karuxti the pandemonium lord
270283 | Zig:25   | Killed Zostrezite the pandemonium lord
270283 | Zig:25   | Killed Nownuyts the pandemonium lord
270283 | Zig:25   | Noticed Cynuhaqe the pandemonium lord
270283 | Zig:25   | Noticed Xamauske the pandemonium lord
270284 | Zig:25   | Killed Hiexkaoph the pandemonium lord
270284 | Zig:25   | Killed Osaq the pandemonium lord
270285 | Zig:25   | Killed Bazeosa the pandemonium lord
270285 | Zig:25   | Killed Enuuddor the pandemonium lord
270285 | Zig:25   | Killed Lapewen the pandemonium lord
270285 | Zig:25   | HP: 4/199 [Osy Hug the pandemonium lord] (8)]
270285 | Zig:25   | Noticed Bojits the pandemonium lord
270285 | Zig:25   | Noticed Nam Nas the pandemonium lord
270285 | Zig:25   | Killed by an exploding ball lightning (16 damage)
270286 | Zig:25   | Killed Kiefi the pandemonium lord
270286 | Zig:25   | Killed Osy Hug the pandemonium lord
270286 | Zig:25   | Killed Naillor the pandemonium lord
270286 | Zig:25   | Killed Nakyteha the pandemonium lord
270286 | Zig:25   | Killed Utugay the pandemonium lord
270286 | Zig:25   | Killed Gadydy the pandemonium lord
270286 | Zig:25   | Killed Ocytooss the pandemonium lord
270286 | Zig:25   | Killed Vaiwu the pandemonium lord
270287 | Zig:25   | Noticed Qups the pandemonium lord
270287 | Zig:25   | Noticed Xoboivoa the pandemonium lord
270287 | Zig:25   | Noticed Nogreo the pandemonium lord
270287 | Zig:25   | Killed Qebleic the pandemonium lord
270287 | Zig:25   | Killed Ziuvymem the pandemonium lord
270287 | Zig:25   | Noticed Nogesut the pandemonium lord
270287 | Zig:25   | Noticed Jadoinit the pandemonium lord
270287 | Zig:25   | Killed Yfackio the pandemonium lord
270287 | Zig:25   | Killed Uggaaro the pandemonium lord
270287 | Zig:25   | Killed Kugaq the pandemonium lord
270288 | Zig:25   | Killed Vugeo the pandemonium lord
270288 | Zig:25   | Killed Moekhlat the pandemonium lord
270288 | Zig:25   | Killed Cynuhaqe the pandemonium lord
270288 | Zig:25   | Noticed Ladar the pandemonium lord
270288 | Zig:25   | Noticed Owkuj the pandemonium lord
270288 | Zig:25   | Noticed Xukoful the pandemonium lord
270288 | Zig:25   | Noticed Gaheqargh the pandemonium lord
270288 | Zig:25   | Killed Noicen the pandemonium lord
270288 | Zig:25   | Noticed Ovugh the pandemonium lord
270289 | Zig:25   | Killed Nogreo the pandemonium lord
270289 | Zig:25   | Killed Nam Nas the pandemonium lord
270289 | Zig:25   | Noticed Deiret the pandemonium lord
270289 | Zig:25   | Noticed Gusoher the pandemonium lord
270290 | Zig:25   | Noticed Sajomics the pandemonium lord
270290 | Zig:25   | Noticed Ugatreof the pandemonium lord
270290 | Zig:25   | Noticed Wiam the pandemonium lord
270290 | Zig:25   | Noticed Ylax the pandemonium lord
270290 | Zig:25   | Noticed Tedimel the pandemonium lord
270291 | Zig:25   | Killed Qups the pandemonium lord
270291 | Zig:25   | Killed Xamauske the pandemonium lord
270291 | Zig:25   | Noticed Qumig the pandemonium lord
270292 | Zig:25   | Killed Bojits the pandemonium lord
270292 | Zig:25   | Killed Xoboivoa the pandemonium lord
270292 | Zig:25   | Noticed Eceruc the pandemonium lord
270292 | Zig:25   | Noticed Wuadgho the pandemonium lord
270293 | Zig:25   | Noticed Taodghuy the pandemonium lord
270293 | Zig:25   | Killed Wiam the pandemonium lord
270293 | Zig:25   | Noticed Ipleasch the pandemonium lord
270294 | Zig:25   | Noticed Wyca the pandemonium lord
270294 | Zig:25   | Noticed Amuuthil the pandemonium lord
270295 | Zig:25   | Killed Owkuj the pandemonium lord
270295 | Zig:25   | Killed Nogesut the pandemonium lord
270295 | Zig:25   | Noticed Zavaupp the pandemonium lord
270295 | Zig:25   | Noticed Guywaugu the pandemonium lord
270295 | Zig:25   | Noticed Tesmeeme the pandemonium lord
270295 | Zig:25   | Noticed Pollav the pandemonium lord
270295 | Zig:25   | Noticed Decej the pandemonium lord
270296 | Zig:25   | Killed Ugatreof the pandemonium lord
270296 | Zig:25   | Killed Jadoinit the pandemonium lord
270296 | Zig:25   | Noticed Qeabbol the pandemonium lord
270296 | Zig:25   | Noticed Punela the pandemonium lord
270297 | Zig:25   | Noticed Iqok the pandemonium lord
270298 | Zig:25   | Noticed Nogosim the pandemonium lord
270299 | Zig:25   | Noticed Isemn the pandemonium lord
270300 | Zig:25   | Noticed Ubludgh the pandemonium lord
270300 | Zig:25   | Killed Gusoher the pandemonium lord
270300 | Zig:25   | Killed Xukoful the pandemonium lord
270301 | Zig:25   | Noticed Geyskipn the pandemonium lord
270301 | Zig:25   | Killed Taodghuy the pandemonium lord
270301 | Zig:25   | Noticed Gaepazojy the pandemonium lord
270302 | Zig:25   | Killed Gaheqargh the pandemonium lord
270303 | Zig:25   | Noticed Vomut the pandemonium lord
270303 | Zig:25   | Noticed Dod Cim the pandemonium lord
270304 | Zig:25   | Noticed Fasauff the pandemonium lord
270304 | Zig:25   | Noticed Umymaesh the pandemonium lord
270307 | Zig:25   | HP: 9/199 [Wyca the pandemonium lord (22)]
270308 | Zig:25   | Killed Ovugh the pandemonium lord
270309 | Zig:25   | Killed Ipleasch the pandemonium lord
270309 | Zig:25   | Killed Ylax the pandemonium lord
270309 | Zig:25   | Demolished by Pollav the pandemonium lord (19 damage)
270309 | Zig:25   | Killed Deiret the pandemonium lord
270311 | Zig:25   | Killed Wyca the pandemonium lord
270311 | Zig:25   | Killed Ladar the pandemonium lord
270311 | Zig:25   | Killed Eceruc the pandemonium lord
270311 | Zig:25   | Killed Fasauff the pandemonium lord
270311 | Zig:25   | Killed Iqok the pandemonium lord
270311 | Zig:25   | Killed Zavaupp the pandemonium lord
270312 | Zig:25   | Killed Isemn the pandemonium lord
270312 | Zig:25   | Killed Punela the pandemonium lord
270312 | Zig:25   | Killed Sajomics the pandemonium lord
270312 | Zig:25   | Killed Decej the pandemonium lord
270312 | Zig:25   | Killed Qeabbol the pandemonium lord
270312 | Zig:25   | Killed Tedimel the pandemonium lord
270313 | Zig:25   | Killed Geyskipn the pandemonium lord
270322 | Zig:25   | Killed Pollav the pandemonium lord
270323 | Zig:25   | Killed Atuxte the pandemonium lord
270323 | Zig:25   | Killed Amuuthil the pandemonium lord
270324 | Zig:25   | Killed Guywaugu the pandemonium lord
270326 | Zig:25   | Killed Gaepazojy the pandemonium lord
270326 | Zig:25   | Killed Tesmeeme the pandemonium lord
270327 | Zig:25   | Killed Wuadgho the pandemonium lord
270327 | Zig:25   | Killed Nogosim the pandemonium lord
270329 | Zig:25   | Killed Ubludgh the pandemonium lord
270329 | Zig:25   | Killed Dod Cim the pandemonium lord
270334 | Zig:25   | Killed Umymaesh the pandemonium lord
270334 | Zig:25   | Killed Vomut the pandemonium lord
270337 | Zig:25   | Noticed Wofoawn the pandemonium lord
270337 | Zig:25   | Noticed Zichuxor the pandemonium lord
270338 | Zig:25   | Noticed Guloduf the pandemonium lord
270338 | Zig:25   | Killed Qumig the pandemonium lord
270341 | Zig:25   | Noticed Tas Emeecw the pandemonium lord
270341 | Zig:25   | Noticed Jegasy the pandemonium lord
270341 | Zig:25   | Noticed Duros the pandemonium lord
270342 | Zig:25   | Noticed Fyniash the pandemonium lord
270342 | Zig:25   | Killed from afar by Wofoawn the pandemonium lord (94
                  | damage)
                  | ... with a great blast of fire
270343 | Zig:25   | Killed Wofoawn the pandemonium lord
270344 | Zig:25   | Noticed Yteub the pandemonium lord
270346 | Zig:25   | Noticed Ynucruow the pandemonium lord
270350 | Zig:25   | Killed Tas Emeecw the pandemonium lord
270352 | Zig:25   | Killed Zichuxor the pandemonium lord
270353 | Zig:25   | Killed Yteub the pandemonium lord
270356 | Zig:25   | Killed Duros the pandemonium lord
270359 | Zig:25   | Killed Jegasy the pandemonium lord
270359 | Zig:25   | Killed Fyniash the pandemonium lord
270359 | Zig:25   | Noticed Fyqi the pandemonium lord
270359 | Zig:25   | Noticed Xenoesk the pandemonium lord
270360 | Zig:25   | Noticed Qenavyup the pandemonium lord
270363 | Zig:25   | Killed Ynucruow the pandemonium lord
270367 | Zig:25   | Killed Guloduf the pandemonium lord
270369 | Zig:25   | Killed Xenoesk the pandemonium lord
270370 | Zig:25   | Noticed Ziusk the pandemonium lord
270372 | Zig:25   | Noticed Riuliole the pandemonium lord
270373 | Zig:25   | Killed Fyqi the pandemonium lord
270374 | Zig:25   | Noticed Podor the pandemonium lord
270374 | Zig:25   | Noticed Vileuhu the pandemonium lord
270374 | Zig:25   | Noticed Qejieli the pandemonium lord
270375 | Zig:25   | Noticed Uwuth the pandemonium lord
270378 | Zig:25   | Killed Qenavyup the pandemonium lord
270379 | Zig:25   | Noticed Cipribix the pandemonium lord
270379 | Zig:25   | Noticed Pageek the pandemonium lord
270379 | Zig:25   | Noticed Xucaanug the pandemonium lord
270381 | Zig:25   | Noticed Wycut the pandemonium lord
270382 | Zig:25   | Noticed Luquac the pandemonium lord
270384 | Zig:25   | Killed Vileuhu the pandemonium lord
270384 | Zig:25   | Noticed Kerug the pandemonium lord
270387 | Zig:25   | HP: 8/199 [Uwuth the pandemonium lord (5)]
270387 | Zig:25   | Killed Ziusk the pandemonium lord
270387 | Zig:25   | Noticed Paidanug the pandemonium lord
270387 | Zig:25   | Noticed Iwnem the pandemonium lord
270388 | Zig:25   | Killed Uwuth the pandemonium lord
270389 | Zig:25   | Killed Cipribix the pandemonium lord
270391 | Zig:25   | Noticed Fuceah the pandemonium lord
270391 | Zig:25   | Noticed Nauhu the pandemonium lord
270392 | Zig:25   | Killed Qejieli the pandemonium lord
270392 | Zig:25   | Mangled by Xucaanug the pandemonium lord (16 damage)
270394 | Zig:25   | Killed Xucaanug the pandemonium lord
270395 | Zig:25   | Noticed Puut the pandemonium lord
270395 | Zig:25   | Killed Riuliole the pandemonium lord
270395 | Zig:25   | Killed Podor the pandemonium lord
270396 | Zig:25   | Killed Luquac the pandemonium lord
270398 | Zig:25   | Killed Pageek the pandemonium lord
270399 | Zig:25   | Killed Paidanug the pandemonium lord
270402 | Zig:25   | Killed Iwnem the pandemonium lord
270409 | Zig:25   | Noticed Hoamaeh the pandemonium lord
270412 | Zig:25   | Noticed Qokyny the pandemonium lord
270413 | Zig:25   | Killed from afar by Kerug the pandemonium lord (31 damage)
                  | ... with an arc of chain lightning
270414 | Zig:25   | Killed Wycut the pandemonium lord
270414 | Zig:25   | Noticed Utha the pandemonium lord
270417 | Zig:25   | Killed Fuceah the pandemonium lord
270422 | Zig:25   | Noticed Fitobel the pandemonium lord
270424 | Zig:25   | Noticed Zenose the pandemonium lord
270428 | Zig:25   | Killed Puut the pandemonium lord
270428 | Zig:25   | Killed from afar by Utha the pandemonium lord (28 damage)
                  | ... with an arc of chain lightning
270429 | Zig:25   | Killed Kerug the pandemonium lord
270432 | Zig:25   | Killed Hoamaeh the pandemonium lord
270433 | Zig:25   | Noticed Zegharewk the pandemonium lord
270433 | Zig:25   | Noticed Fokhuny the pandemonium lord
270435 | Zig:25   | Killed Qokyny the pandemonium lord
270437 | Zig:25   | Killed Utha the pandemonium lord
270442 | Zig:25   | Noticed Pusahogy the pandemonium lord
270444 | Zig:25   | Killed Nauhu the pandemonium lord
270449 | Zig:25   | Killed Zenose the pandemonium lord
270449 | Zig:25   | Noticed Osuesent the pandemonium lord
270450 | Zig:25   | Noticed Zeuclep the pandemonium lord
270452 | Zig:25   | Killed Zegharewk the pandemonium lord
270452 | Zig:25   | Noticed Diggol the pandemonium lord
270454 | Zig:25   | Killed Fitobel the pandemonium lord
270458 | Zig:25   | Killed Zeuclep the pandemonium lord
270459 | Zig:25   | Killed Diggol the pandemonium lord
270459 | Zig:25   | Killed Osuesent the pandemonium lord
270459 | Zig:25   | Noticed Cyhiub the pandemonium lord
270464 | Zig:25   | Noticed Giadarphe the pandemonium lord
270465 | Zig:25   | Killed Pusahogy the pandemonium lord
270466 | Zig:25   | Noticed Tyggeuma the pandemonium lord
270468 | Zig:25   | Killed Fokhuny the pandemonium lord
270469 | Zig:25   | Noticed Guza the pandemonium lord
270472 | Zig:25   | Killed Tyggeuma the pandemonium lord
270472 | Zig:25   | Noticed Yheorot the pandemonium lord
270473 | Zig:25   | Blown up by Guza the pandemonium lord (14 damage)
                  | ... with a bolt of energy
270474 | Zig:25   | Killed Guza the pandemonium lord
270478 | Zig:25   | Killed Cyhiub the pandemonium lord
270483 | Zig:25   | Noticed Dalyskobb the pandemonium lord
270493 | Zig:25   | Killed Giadarphe the pandemonium lord
270493 | Zig:25   | Noticed Estroduxa the pandemonium lord
270500 | Zig:25   | Noticed Ocreij the pandemonium lord
270500 | Zig:25   | Noticed Ubbablyloi the pandemonium lord
270500 | Zig:25   | Noticed Zaxokul the pandemonium lord
270507 | Zig:25   | Noticed Buk Toj the pandemonium lord
270511 | Zig:25   | Killed Dalyskobb the pandemonium lord
270511 | Zig:25   | Killed Ocreij the pandemonium lord
270513 | Zig:25   | Killed Estroduxa the pandemonium lord
270514 | Zig:25   | Killed Ubbablyloi the pandemonium lord
270514 | Zig:25   | Noticed Mugukka the pandemonium lord
270517 | Zig:25   | Killed Zaxokul the pandemonium lord
270519 | Zig:25   | Killed Yheorot the pandemonium lord
270524 | Zig:25   | Killed Buk Toj the pandemonium lord
270527 | Zig:25   | Killed Mugukka the pandemonium lord
270847 | Zig:25   | Identified the +2 trident of the Depths {freeze, rF+ Will-
                  | Dex+5}
270851 | Zig:25   | Identified the ring of Sastres {Fly rPois rN+++ Will++}
270861 | Zig:25   | Identified the ring "Fuoneth" {rF+ Dex+6}
270863 | Zig:25   | Identified the +9 battleaxe "Isokheeg" {heavy, Fly Str+4
                  | Dex+5}
270875 | Zig:26   | Entered Level 26 of a ziggurat
270881 | Zig:26   | Paralysed by an air elemental for 1 turns
270923 | Zig:26   | Paralysed by an air elemental for 1 turns
270931 | Zig:26   | Paralysed by an air elemental for 1 turns
270931 | Zig:26   | HP: 8/199 [deep elf high priest/divine providence (15)]
270933 | Zig:26   | Killed by divine providence
                  | ... invoked by a deep elf high priest
                  | (8 damage)
270960 | Zig:26   | Paralysed by an air elemental for 1 turns
270964 | Zig:26   | HP: 6/199 [air elemental/stunning burst (4)]
270965 | Zig:26   | Killed by divine providence
                  | ... invoked by a deep elf high priest
                  | (8 damage)
271339 | Zig:26   | Identified the +7 long sword of Sequestration {freeze, rC+
                  | MP+9 Int+4}
271354 | Zig:26   | Identified the +3 whip of the People {protect, Int+4}
271368 | Zig:26   | Identified the ring of Rosh {rPois MP+9}
271386 | Zig:27   | Entered Level 27 of a ziggurat
271402 | Zig:27   | Noticed an ancient lich
271413 | Zig:27   | HP: 9/199 [??? (1)]
271419 | Zig:27   | HP: 8/199 [??? (1)]
271419 | Zig:27   | Slain by a bone dragon (10 damage)
271425 | Zig:27   | HP: 9/199 [??? (1)]
271426 | Zig:27   | HP: 2/199 [profane servitor/+3 whip (6)]
271427 | Zig:27   | Noticed an ancient lich
271431 | Zig:27   | HP: 3/199 [profane servitor/+3 whip (2)]
271436 | Zig:27   | Slain by a bone dragon (7 damage)
271436 | Zig:27   | Noticed a dread lich
271440 | Zig:27   | Slain by a bone dragon (16 damage)
271452 | Zig:27   | HP: 9/199 [??? (1)]
271452 | Zig:27   | Killed from afar by a hellion (28 damage)
                  | ... with damnation
271457 | Zig:27   | HP: 2/199 [bone dragon (13)]
271458 | Zig:27   | Killed an ancient lich
271458 | Zig:27   | Mangled by a profane servitor
                  | ... wielding a +1 whip
                  | (12 damage)
271462 | Zig:27   | HP: 9/199 [??? (1)]
271463 | Zig:27   | Slain by a bone dragon (8 damage)
271464 | Zig:27   | Noticed an ancient lich
271467 | Zig:27   | Mangled by a bone dragon (14 damage)
271473 | Zig:27   | HP: 9/199 [??? (1)]
271475 | Zig:27   | Mangled by a doom hound (11 damage)
271479 | Zig:27   | HP: 9/199 [??? (1)]
271479 | Zig:27   | HP: 1/199 [bone dragon (4)]
271481 | Zig:27   | Killed a dread lich
271482 | Zig:27   | Mangled by a bone dragon (10 damage)
271483 | Zig:27   | Killed an ancient lich
271486 | Zig:27   | HP: 9/199 [??? (1)]
271488 | Zig:27   | Slain by a bone dragon (10 damage)
271491 | Zig:27   | HP: 9/199 [??? (1)]
271492 | Zig:27   | Slain by a doom hound (11 damage)
271496 | Zig:27   | HP: 1/199 [Tzitzimitl (14)]
271496 | Zig:27   | Slain by a doom hound (1 damage)
271500 | Zig:27   | Slain by a doom hound (15 damage)
271505 | Zig:27   | HP: 9/199 [??? (1)]
271505 | Zig:27   | HP: 4/199 [doom hound (4)]
271507 | Zig:27   | Slain by a doom hound (7 damage)
271511 | Zig:27   | HP: 9/199 [??? (1)]
271511 | Zig:27   | HP: 2/199 [doom hound (7)]
271512 | Zig:27   | Slain by an ancient lich (6 damage)
271516 | Zig:27   | HP: 1/199 [Tzitzimitl (10)]
271518 | Zig:27   | Slain by a bone dragon (7 damage)
271524 | Zig:27   | HP: 9/199 [??? (1)]
271525 | Zig:27   | Demolished by a tainted leviathan (26 damage)
271530 | Zig:27   | Slain by a bone dragon (12 damage)
271536 | Zig:27   | HP: 9/199 [??? (1)]
271537 | Zig:27   | Slain by a bone dragon (13 damage)
271541 | Zig:27   | HP: 4/199 [bone dragon (2)]
271544 | Zig:27   | Mangled by a doom hound (15 damage)
271548 | Zig:27   | HP: 9/199 [??? (1)]
271550 | Zig:27   | Mangled by a doom hound (15 damage)
271555 | Zig:27   | HP: 9/199 [??? (1)]
271557 | Zig:27   | HP: 4/199 [bone dragon (5)]
271558 | Zig:27   | Mangled by a doom hound (14 damage)
271559 | Zig:27   | Killed an ancient lich
271564 | Zig:27   | Slain by a doom hound (11 damage)
271568 | Zig:27   | HP: 9/199 [??? (1)]
271569 | Zig:27   | HP: 4/199 [Tzitzimitl (4)]
271573 | Zig:27   | Slain by a tainted leviathan (7 damage)
271580 | Zig:27   | Slain by a doom hound (18 damage)
271585 | Zig:27   | HP: 9/199 [??? (1)]
271586 | Zig:27   | Slain by a bone dragon (9 damage)
271590 | Zig:27   | HP: 9/199 [bone dragon (3)]
271596 | Zig:27   | HP: 7/199 [bone dragon (1)]
271602 | Zig:27   | Slain by a bone dragon (6 damage)
271607 | Zig:27   | HP: 5/199 [bone dragon (13)]
271609 | Zig:27   | Slain by a bone dragon (4 damage)
271613 | Zig:27   | HP: 8/199 [bone dragon (3)]
271615 | Zig:27   | HP: 1/199 [Tzitzimitl (4)]
271615 | Zig:27   | Demolished by a reaper
                  | ... wielding a +1 scythe of venom
                  | (16 damage)
271620 | Zig:27   | HP: 9/199 [??? (1)]
271623 | Zig:27   | Mangled by a tainted leviathan (13 damage)
271627 | Zig:27   | HP: 1/199 [bone dragon (12)]
271628 | Zig:27   | Mangled by a Tzitzimitl (14 damage)
271632 | Zig:27   | HP: 9/199 [??? (1)]
271633 | Zig:27   | Slain by a putrid mouth (9 damage)
271638 | Zig:27   | HP: 7/199 [bone dragon (7)]
271638 | Zig:27   | HP: 3/199 [bone dragon (4)]
271639 | Zig:27   | Slain by a bone dragon (7 damage)
271645 | Zig:27   | HP: 9/199 [??? (1)]
271647 | Zig:27   | HP: 2/199 [bone dragon (6)]
271647 | Zig:27   | Mangled by a bone dragon (9 damage)
271652 | Zig:27   | HP: 9/199 [??? (1)]
271653 | Zig:27   | Slain by a bone dragon (9 damage)
271657 | Zig:27   | Slain by a bone dragon (16 damage)
271661 | Zig:27   | HP: 2/199 [tainted leviathan (27)]
271663 | Zig:27   | Mangled by a tainted leviathan (9 damage)
271673 | Zig:27   | HP: 9/199 [??? (1)]
271673 | Zig:27   | HP: 4/199 [bone dragon (5)]
271676 | Zig:27   | Mangled by a bone dragon (18 damage)
271680 | Zig:27   | HP: 9/199 [??? (1)]
271681 | Zig:27   | Slain by a bone dragon (9 damage)
271687 | Zig:27   | HP: 4/199 [tainted leviathan (9)]
271687 | Zig:27   | Mangled by a bone dragon (10 damage)
271694 | Zig:27   | HP: 9/199 [??? (1)]
271696 | Zig:27   | Slain by a tainted leviathan (10 damage)
271701 | Zig:27   | HP: 8/199 [tainted leviathan (5)]
271702 | Zig:27   | Slain by a tainted leviathan (11 damage)
271707 | Zig:27   | HP: 5/199 [tainted leviathan (8)]
271708 | Zig:27   | Slain by a bone dragon (6 damage)
271714 | Zig:27   | HP: 9/199 [??? (1)]
271717 | Zig:27   | Slain by a bone dragon (9 damage)
271723 | Zig:27   | HP: 9/199 [tainted leviathan (6)]
271723 | Zig:27   | Slain by a bone dragon (10 damage)
271726 | Zig:27   | Mangled by a bone dragon (16 damage)
271730 | Zig:27   | HP: 9/199 [bone dragon (8)]
271734 | Zig:27   | HP: 2/199 [bone dragon (6)]
271734 | Zig:27   | Slain by a Tzitzimitl (3 damage)
271739 | Zig:27   | Slain by a bone dragon (10 damage)
271745 | Zig:27   | HP: 9/199 [??? (1)]
271746 | Zig:27   | Mangled by a doom hound (13 damage)
271750 | Zig:27   | HP: 9/199 [bone dragon (2)]
271751 | Zig:27   | Slain by a bone dragon (9 damage)
271754 | Zig:27   | HP: 4/199 [profane servitor/+2 whip of freezing (2)]
271754 | Zig:27   | Demolished by a doom hound (23 damage)
271759 | Zig:27   | HP: 9/199 [doom hound (21)]
271762 | Zig:27   | Slain by a bone dragon (8 damage)
271769 | Zig:27   | HP: 9/199 [??? (1)]
271773 | Zig:27   | HP: 4/199 [bone dragon (4)]
271774 | Zig:27   | HP: 1/199 [doom hound (4)]
271774 | Zig:27   | Mangled by a doom hound (12 damage)
271781 | Zig:27   | HP: 5/199 [tainted leviathan (14)]
271781 | Zig:27   | Slain by a bone dragon (6 damage)
271788 | Zig:27   | HP: 4/199 [bone dragon (9)]
271788 | Zig:27   | Mangled by a bone dragon (13 damage)
271796 | Zig:27   | HP: 6/199 [hellion/damnation (12)]
271804 | Zig:27   | HP: 8/199 [??? (1)]
271808 | Zig:27   | HP: 3/199 [bone dragon (5)]
271810 | Zig:27   | HP: 1/199 [bone dragon (2)]
271810 | Zig:27   | Mangled by a bone dragon (8 damage)
271830 | Zig:27   | HP: 9/199 [profane servitor/+2 whip of electrocution (9)]
271836 | Zig:27   | HP: 1/199 [bone dragon (10)]
271836 | Zig:27   | Slain by a profane servitor
                  | ... wielding a +2 whip of electrocution
                  | (3 damage)
271867 | Zig:27   | HP: 9/199 [??? (1)]
271874 | Zig:27   | HP: 5/199 [tainted leviathan (5)]
271885 | Zig:27   | HP: 8/199 [??? (1)]
271886 | Zig:27   | Slain by a bone dragon (10 damage)
271906 | Zig:27   | HP: 9/199 [??? (1)]
271908 | Zig:27   | Mangled by a putrid mouth (16 damage)
271909 | Zig:27   | Noticed an ancient lich
271928 | Zig:27   | Slain by a putrid mouth (14 damage)
271948 | Zig:27   | HP: 9/199 [??? (1)]
271951 | Zig:27   | HP: 3/199 [bone dragon (5)]
271951 | Zig:27   | Mangled by a bone dragon (9 damage)
271964 | Zig:27   | HP: 8/199 [profane servitor/+1 whip of venom (3)]
271965 | Zig:27   | HP: 2/199 [bone dragon (7)]
271965 | Zig:27   | Demolished by a tainted leviathan (17 damage)
271974 | Zig:27   | HP: 6/199 [reaper/+0 scythe of flaming (16)]
271974 | Zig:27   | Slain by a reaper
                  | ... wielding a +0 scythe of flaming
                  | (8 damage)
271983 | Zig:27   | HP: 9/199 [tainted leviathan (6)]
271984 | Zig:27   | Slain by a putrid mouth (10 damage)
271984 | Zig:27   | Killed an ancient lich
271994 | Zig:27   | HP: 9/199 [??? (1)]
271997 | Zig:27   | Slain by a bone dragon (7 damage)
272007 | Zig:27   | HP: 3/199 [reaper/+4 antimagic scythe (13)]
272010 | Zig:27   | Slain by a reaper
                  | ... wielding a +4 antimagic scythe
                  | (5 damage)
272021 | Zig:27   | HP: 7/199 [tainted leviathan (6)]
272022 | Zig:27   | Mangled by a tainted leviathan (18 damage)
272035 | Zig:27   | HP: 5/199 [bone dragon (12)]
272036 | Zig:27   | Slain by a tainted leviathan (6 damage)
272047 | Zig:27   | HP: 3/199 [reaper/+0 scythe of flaming (10)]
272047 | Zig:27   | Slain by a reaper
                  | ... wielding a +0 scythe of flaming
                  | (3 damage)
272056 | Zig:27   | HP: 2/199 [tainted leviathan (19)]
272057 | Zig:27   | Mangled by a bone dragon (8 damage)
272075 | Zig:27   | HP: 4/199 [bone dragon (11)]
272078 | Zig:27   | Slain by a reaper
                  | ... wielding a +4 antimagic scythe
                  | (8 damage)
272087 | Zig:27   | HP: 1/199 [reaper/+0 scythe of flaming (16)]
272087 | Zig:27   | Slain by a reaper
                  | ... wielding a +0 scythe of flaming
                  | (3 damage)
272113 | Zig:27   | Demolished by a reaper
                  | ... wielding a +4 antimagic scythe
                  | (29 damage)
272138 | Zig:27   | HP: 3/199 [bone dragon (10)]
272139 | Zig:27   | HP: 1/199 [Tzitzimitl (3)]
272144 | Zig:27   | Mangled by a reaper
                  | ... wielding a +0 scythe of flaming
                  | (16 damage)
272165 | Zig:27   | Noticed an ancient lich
272172 | Zig:27   | HP: 9/199 [??? (1)]
272173 | Zig:27   | Mangled by a reaper
                  | ... wielding a +4 antimagic scythe
                  | (18 damage)
272189 | Zig:27   | HP: 9/199 [??? (1)]
272190 | Zig:27   | HP: 4/199 [ancient lich[a shadow demon] (5)]
272202 | Zig:27   | Mangled by a reaper
                  | ... wielding a +2 scythe of venom
                  | (12 damage)
272207 | Zig:27   | HP: 6/199 [reaper/+2 scythe of venom (4)]
272208 | Zig:27   | Slain by a wandering mushroom (9 damage)
                  | ... summoned by a curse toe
272213 | Zig:27   | Killed from afar by a hellion (20 damage)
                  | ... with damnation
272222 | Zig:27   | Slain by a reaper
                  | ... wielding a +4 antimagic scythe
                  | (20 damage)
272235 | Zig:27   | HP: 7/199 [reaper/+1 scythe of venom (5)]
272238 | Zig:27   | HP: 3/199 [reaper/+2 scythe of venom (5)]
272240 | Zig:27   | Annihilated by a reaper
                  | ... wielding a +1 scythe of venom
                  | (27 damage)
272264 | Zig:27   | HP: 9/199 [??? (1)]
272265 | Zig:27   | HP: 3/199 [doom hound (5)]
272267 | Zig:27   | Demolished by a doom hound (22 damage)
272277 | Zig:27   | Slain by a doom hound (26 damage)
272291 | Zig:27   | HP: 9/199 [??? (1)]
272294 | Zig:27   | Slain by a doom hound (8 damage)
272319 | Zig:27   | HP: 9/199 [??? (1)]
272320 | Zig:27   | Mangled by a doom hound (15 damage)
272330 | Zig:27   | Slain by a reaper
                  | ... wielding a +2 scythe of protection
                  | (17 damage)
272341 | Zig:27   | HP: 9/199 [??? (1)]
272342 | Zig:27   | Slain by a reaper
                  | ... wielding a +1 scythe of flaming
                  | (10 damage)
272346 | Zig:27   | HP: 8/199 [??? (1)]
272346 | Zig:27   | Slain by a reaper
                  | ... wielding a +1 scythe of flaming
                  | (11 damage)
272356 | Zig:27   | HP: 9/199 [??? (1)]
272361 | Zig:27   | Slain by a bone dragon (7 damage)
272403 | Zig:27   | HP: 9/199 [spectral juggernaut (17)]
272445 | Zig:27   | Hit by a large rock thrown by a tainted leviathan (41
                  | damage)
272656 | Zig:27   | Noticed an ancient lich
272670 | Zig:27   | Killed an ancient lich
273105 | Zig:27   | Identified the amulet of the Castellan {Faith Contam MP+9
                  | Str+3 Int+4}
273108 | Zig:27   | Identified the +0 pair of boots of Meshril {-Tele rCorr
                  | Dex+2}
273111 | Zig:27   | Identified the +10 battleaxe "Azazad" {freeze, Str+3}
273112 | Zig:27   | Identified the +7 whip of Resourcefulness {vamp, Str+4
                  | Int-5 Dex+9}
273116 | Zig:27   | Identified the +8 halberd "Tutit" {venom, Str+3 Int-2
                  | Dex+2}
273120 | Zig:27   | Identified the amulet of Suin {Faith rElec rN+ Str+3 SInv}
273128 | Zig:27   | Identified the +9 morningstar "Nanecapa" {holy, rPois rN+
                  | Int-2}
273131 | Zig:27   | Identified the staff of air "Gymeh" {*Slow Fly rElec rPois
                  | MP+9}
273133 | Zig:27   | Identified the +4 leather armour "Causm" {Harm *Corrode
                  | rN+}
273134 | Zig:27   | Identified the ring "Sumun" {rPois rF+ Int+2}
273136 | Zig:27   | Identified the staff of fire "Wycliz" {rElec rF+ Str+6}
273159 | Zig:27   | Identified the +2 falchion of Darkness {freeze, rF- rC++
                  | Stlth+}
273160 | Zig:27   | Identified the ring "Derak" {rElec rC- Int+6 SInv}
273170 | Zig:27   | Identified the +1 robe "Beylluf" {Harm rPois Str-3}
273176 | Zig:27   | Identified the amulet "Sakhogg" {RegenMP rPois rN+}
273183 | Zig:27   | Identified the ring of Guigakut {rPois rC+++ MP-9 Str+3
                  | SInv}
273204 | Zig:27   | Acquired 897 gold pieces
273222 | Zig:27   | Identified the +4 leather armour of Onwomiga {rF- Regen+
                  | MP+9 Stlth+}
273238 | Zig:27   | Learned a level 8 spell: Disjunction
273342 | Zig:1    | Entered Level 1 of a ziggurat
273397 | Zig:2    | Entered Level 2 of a ziggurat
273415 | Zig:2    | Identified the +8 eveningstar of Luxury {spect, Str+2}
273419 | Zig:2    | Identified the staff of earth "Fonablis" {rCorr Str+4}
273426 | Zig:3    | Entered Level 3 of a ziggurat
273426 | Zig:3    | Noticed an ancient lich
273426 | Zig:3    | Noticed an ancient lich
273426 | Zig:3    | Noticed an ancient lich
273431 | Zig:3    | Killed an ancient lich
273431 | Zig:3    | Killed an ancient lich
273432 | Zig:3    | Noticed an ancient lich
273432 | Zig:3    | Killed an ancient lich
273448 | Zig:3    | Killed an ancient lich
273454 | Zig:3    | Identified the ring of Yredelemnul's Anger {Fire Int+2
                  | Dex+2}
273699 | Zig:4    | Entered Level 4 of a ziggurat
273948 | Zig:5    | Entered Level 5 of a ziggurat
273957 | Zig:5    | Paralysed by an air elemental for 1 turns
273992 | Zig:6    | Entered Level 6 of a ziggurat
274053 | Zig:6    | Identified the staff of conjuration "Uteale Hola" {Int+2}
274065 | Zig:6    | Lost mutation: You occasionally shout uncontrollably at
                  | your foes. [potion of mutation]
274065 | Zig:6    | Lost mutation: You are clumsy. (Dex -2) [potion of
                  | mutation]
274065 | Zig:6    | Gained mutation: You expend magic power (3 MP) to
                  | strengthen your wands. [potion of mutation]
274065 | Zig:6    | Gained mutation: Your movements are slightly less
                  | encumbered by armour. (ER -2) [potion of mutation]
274065 | Zig:6    | Gained mutation: Your spells are a little easier to cast,
                  | but a little less powerful. [potion of mutation]
274065 | Zig:6    | Gained mutation: Your flesh is very cold resistant. (rC++)
                  | [potion of mutation]
274066 | Zig:6    | Lost mutation: You are mostly covered in large bone plates.
                  | (SH +6) [potion of mutation]
274066 | Zig:6    | Lost mutation: You are partially covered in large bone
                  | plates. (SH +4) [potion of mutation]
274066 | Zig:6    | Lost mutation: Your movements are slightly less encumbered
                  | by armour. (ER -2) [potion of mutation]
274066 | Zig:6    | Gained mutation: You possess an exceptional clarity of
                  | mind. [potion of mutation]
274066 | Zig:6    | Lost mutation: Your flesh is very cold resistant. (rC++)
                  | [potion of mutation]
274066 | Zig:6    | Gained mutation: Your magical capacity is low. (-10% MP)
                  | [potion of mutation]
274067 | Zig:6    | Lost mutation: Your magical capacity is low. (-10% MP)
                  | [potion of mutation]
274067 | Zig:6    | Lost mutation: You expend magic power (3 MP) to strengthen
                  | your wands. [potion of mutation]
274067 | Zig:6    | Gained mutation: You have a beak for a mouth. [potion of
                  | mutation]
274067 | Zig:6    | Gained mutation: You expend magic power (3 MP) to
                  | strengthen your wands. [potion of mutation]
274067 | Zig:6    | Gained mutation: You are partially covered in iridescent
                  | scales. (AC +2) [potion of mutation]
274067 | Zig:6    | Gained mutation: Your mind is acute. (Int +4, Str/Dex -1)
                  | [potion of mutation]
274068 | Zig:6    | Lost mutation: You have a beak for a mouth. [potion of
                  | mutation]
274068 | Zig:6    | Lost mutation: You expend magic power (3 MP) to strengthen
                  | your wands. [potion of mutation]
274068 | Zig:6    | Gained mutation: You have a pair of small horns on your
                  | head. [potion of mutation]
274069 | Zig:6    | Lost mutation: You have a pair of small horns on your head.
                  | [potion of mutation]
274069 | Zig:6    | Lost mutation: You are partially covered in iridescent
                  | scales. (AC +2) [potion of mutation]
274069 | Zig:6    | Gained mutation: You have sharp toenails. [potion of
                  | mutation]
274069 | Zig:6    | Gained mutation: Your body sometimes deteriorates upon
                  | taking damage. [potion of mutation]
274069 | Zig:6    | Gained mutation: You expend magic power (3 MP) to
                  | strengthen your wands. [potion of mutation]
274070 | Zig:6    | Lost mutation: You have sharp toenails. [potion of
                  | mutation]
274070 | Zig:6    | Lost mutation: You expend magic power (3 MP) to strengthen
                  | your wands. [potion of mutation]
274071 | Zig:6    | Lost mutation: Your body sometimes deteriorates upon taking
                  | damage. [potion of mutation]
274071 | Zig:6    | Lost mutation: Your mind is acute. (Int +4, Str/Dex -1)
                  | [potion of mutation]
274071 | Zig:6    | Gained mutation: You occasionally shout uncontrollably at
                  | your foes. [potion of mutation]
274071 | Zig:6    | Gained mutation: You are dopey. (Int -2) [potion of
                  | mutation]
274072 | Zig:6    | Lost mutation: You possess an exceptional clarity of mind.
                  | [potion of mutation]
274072 | Zig:6    | Lost mutation: You are dopey. (Int -2) [potion of mutation]
274072 | Zig:6    | Lost mutation: You occasionally shout uncontrollably at
                  | your foes. [potion of mutation]
274072 | Zig:6    | Gained mutation: You are vulnerable to heat. (rF-) [potion
                  | of mutation]
274072 | Zig:6    | Lost mutation: You are vulnerable to heat. (rF-) [potion of
                  | mutation]
274073 | Zig:6    | Lost mutation: Your spells are a little easier to cast, but
                  | a little less powerful. [potion of mutation]
274073 | Zig:6    | Lost mutation: Your flesh is cold resistant. (rC+) [potion
                  | of mutation]
274073 | Zig:6    | Gained mutation: You possess an exceptional clarity of
                  | mind. [potion of mutation]
274073 | Zig:6    | Gained mutation: You are agile. (Dex +4, Str/Int -1)
                  | [potion of mutation]
274075 | Zig:6    | Lost mutation: You possess an exceptional clarity of mind.
                  | [potion of mutation]
274075 | Zig:6    | Lost mutation: You are agile. (Dex +4, Str/Int -1) [potion
                  | of mutation]
274075 | Zig:6    | Gained mutation: You occasionally shout uncontrollably at
                  | your foes. [potion of mutation]
274076 | Zig:6    | Lost mutation: You occasionally shout uncontrollably at
                  | your foes. [potion of mutation]
274076 | Zig:6    | Gained mutation: You occasionally shout uncontrollably at
                  | your foes. [potion of mutation]
274076 | Zig:6    | Gained mutation: You are somewhat resistant to further
                  | mutation. [potion of mutation]
274077 | Zig:6    | Lost mutation: You occasionally shout uncontrollably at
                  | your foes. [potion of mutation]
274077 | Zig:6    | Lost mutation: You are somewhat resistant to further
                  | mutation. [potion of mutation]
274077 | Zig:6    | Gained mutation: Your muscles are strong. (Str +4, Int/Dex
                  | -1) [potion of mutation]
274077 | Zig:6    | Gained mutation: Potions are less effective at restoring
                  | your health. [potion of mutation]
274077 | Zig:6    | Gained mutation: You expend magic power (3 MP) to
                  | strengthen your wands. [potion of mutation]
274078 | Zig:6    | Lost mutation: You expend magic power (3 MP) to strengthen
                  | your wands. [potion of mutation]
274078 | Zig:6    | Lost mutation: Potions are less effective at restoring your
                  | health. [potion of mutation]
274078 | Zig:6    | Lost mutation: Your muscles are strong. (Str +4, Int/Dex
                  | -1) [potion of mutation]
274078 | Zig:6    | Gained mutation: You have sharp toenails. [potion of
                  | mutation]
274078 | Zig:6    | Gained mutation: You sometimes lose your temper in combat.
                  | [potion of mutation]
274079 | Zig:6    | Lost mutation: You have sharp toenails. [potion of
                  | mutation]
274079 | Zig:6    | Lost mutation: You sometimes lose your temper in combat.
                  | [potion of mutation]
274079 | Zig:6    | Gained mutation: You have a beak for a mouth. [potion of
                  | mutation]
274079 | Zig:6    | Gained mutation: You are clumsy. (Dex -2) [potion of
                  | mutation]
274080 | Zig:6    | Lost mutation: You have a beak for a mouth. [potion of
                  | mutation]
274080 | Zig:6    | Lost mutation: You are clumsy. (Dex -2) [potion of
                  | mutation]
274080 | Zig:6    | Gained mutation: You are agile. (Dex +4, Str/Int -1)
                  | [potion of mutation]
274080 | Zig:6    | Gained mutation: Your body sometimes deteriorates upon
                  | taking damage. [potion of mutation]
274080 | Zig:6    | Gained mutation: Your body often deteriorates upon taking
                  | damage. [potion of mutation]
274080 | Zig:6    | Gained mutation: You have a pair of small horns on your
                  | head. [potion of mutation]
274081 | Zig:6    | Lost mutation: Your body often deteriorates upon taking
                  | damage. [potion of mutation]
274081 | Zig:6    | Lost mutation: You have a pair of small horns on your head.
                  | [potion of mutation]
274081 | Zig:6    | Lost mutation: Your body sometimes deteriorates upon taking
                  | damage. [potion of mutation]
274081 | Zig:6    | Gained mutation: You have hidden genetic potential. [potion
                  | of mutation]
274081 | Zig:6    | Gained mutation: You are partially covered in iridescent
                  | scales. (AC +2) [potion of mutation]
274081 | Zig:6    | Gained mutation: You are mostly covered in iridescent
                  | scales. (AC +4) [potion of mutation]
274324 | Zig:7    | Entered Level 7 of a ziggurat
274415 | Zig:7    | Identified the +0 arbalest of Gozag's Regard {speed, Int-2
                  | Dex+6}
274418 | Zig:7    | Identified the +2 executioner's axe of Objectivity {holy,
                  | Str+2}
274431 | Zig:7    | Identified the staff of air "Doicehom" {rElec Will+}
274453 | Zig:8    | Entered Level 8 of a ziggurat
274453 | Zig:8    | Noticed a juggernaut
274453 | Zig:8    | Noticed a juggernaut
274453 | Zig:8    | Noticed a juggernaut
274453 | Zig:8    | Noticed a juggernaut
274453 | Zig:8    | Noticed a juggernaut
274453 | Zig:8    | Noticed a juggernaut
274453 | Zig:8    | Noticed a juggernaut
274453 | Zig:8    | Noticed a juggernaut
274453 | Zig:8    | Noticed a juggernaut
274456 | Zig:8    | Killed a juggernaut
274456 | Zig:8    | Killed a juggernaut
274457 | Zig:8    | Noticed a juggernaut
274457 | Zig:8    | Noticed a juggernaut
274457 | Zig:8    | Killed a juggernaut
274457 | Zig:8    | Killed a juggernaut
274457 | Zig:8    | Killed a juggernaut
274458 | Zig:8    | Killed a juggernaut
274459 | Zig:8    | Killed a juggernaut
274459 | Zig:8    | Killed a juggernaut
274460 | Zig:8    | Noticed a juggernaut
274460 | Zig:8    | Killed a juggernaut
274461 | Zig:8    | Noticed a juggernaut
274463 | Zig:8    | Killed a juggernaut
274465 | Zig:8    | Killed a juggernaut
274468 | Zig:8    | Killed a juggernaut
274468 | Zig:8    | Killed a juggernaut
274488 | Zig:8    | Gained mutation: You expend magic power (3 MP) to
                  | strengthen your wands. [hidden potential]
274773 | Zig:8    | Acquired the +1 hat of the Orb Guardian {Drain Str+5}
274775 | Zig:8    | Acquired 943 gold pieces
274777 | Zig:8    | Acquired 1055 gold pieces
274787 | Zig:8    | Identified the +10 quarterstaff of Coinuump {spect, rPois
                  | Str-2 Dex+10}
274791 | Zig:9    | Entered Level 9 of a ziggurat
274791 | Zig:9    | Noticed an ancient lich
274791 | Zig:9    | Noticed an ancient lich
274791 | Zig:9    | Noticed a dread lich
274791 | Zig:9    | Noticed an ancient lich
274791 | Zig:9    | Noticed a dread lich
274791 | Zig:9    | Noticed an ancient lich
274791 | Zig:9    | Noticed an ancient lich
274791 | Zig:9    | Noticed a dread lich
274791 | Zig:9    | Noticed a dread lich
274791 | Zig:9    | Noticed a dread lich
274791 | Zig:9    | Noticed an ancient lich
274791 | Zig:9    | Noticed an ancient lich
274791 | Zig:9    | Noticed an ancient lich
274791 | Zig:9    | Noticed a dread lich
274791 | Zig:9    | Noticed a dread lich
274791 | Zig:9    | Noticed a dread lich
274791 | Zig:9    | Noticed an ancient lich
274791 | Zig:9    | Noticed a dread lich
274791 | Zig:9    | Noticed an ancient lich
274791 | Zig:9    | Noticed an ancient lich
274791 | Zig:9    | Noticed an ancient lich
274792 | Zig:9    | Killed an ancient lich
274792 | Zig:9    | Killed an ancient lich
274792 | Zig:9    | Killed a dread lich
274792 | Zig:9    | Killed an ancient lich
274792 | Zig:9    | Killed a dread lich
274792 | Zig:9    | Killed an ancient lich
274792 | Zig:9    | Noticed an ancient lich
274792 | Zig:9    | Noticed an ancient lich
274793 | Zig:9    | Killed a dread lich
274793 | Zig:9    | Killed an ancient lich
274793 | Zig:9    | Killed a dread lich
274793 | Zig:9    | Killed a dread lich
274793 | Zig:9    | Killed an ancient lich
274793 | Zig:9    | Killed an ancient lich
274793 | Zig:9    | Killed an ancient lich
274793 | Zig:9    | Killed a dread lich
274793 | Zig:9    | Killed an ancient lich
274793 | Zig:9    | Killed an ancient lich
274793 | Zig:9    | Noticed an ancient lich
274793 | Zig:9    | Noticed a dread lich
274794 | Zig:9    | Noticed an ancient lich
274795 | Zig:9    | Killed a dread lich
274795 | Zig:9    | Killed an ancient lich
274796 | Zig:9    | Noticed an ancient lich
274796 | Zig:9    | Noticed an ancient lich
274796 | Zig:9    | Noticed an ancient lich
274796 | Zig:9    | Noticed an ancient lich
274797 | Zig:9    | Noticed an ancient lich
274797 | Zig:9    | Killed a dread lich
274798 | Zig:9    | Noticed a dread lich
274798 | Zig:9    | Killed an ancient lich
274799 | Zig:9    | Noticed a dread lich
274799 | Zig:9    | Noticed an ancient lich
274799 | Zig:9    | Killed an ancient lich
274799 | Zig:9    | Killed a dread lich
274800 | Zig:9    | Noticed a dread lich
274801 | Zig:9    | Killed an ancient lich
274801 | Zig:9    | Killed an ancient lich
274801 | Zig:9    | Killed an ancient lich
274802 | Zig:9    | Noticed an ancient lich
274802 | Zig:9    | Killed an ancient lich
274802 | Zig:9    | Killed an ancient lich
274802 | Zig:9    | Killed an ancient lich
274802 | Zig:9    | Killed an ancient lich
274802 | Zig:9    | Killed an ancient lich
274802 | Zig:9    | Killed a dread lich
274802 | Zig:9    | Killed a dread lich
274803 | Zig:9    | Noticed a dread lich
274803 | Zig:9    | Noticed a dread lich
274807 | Zig:9    | Killed an ancient lich
274808 | Zig:9    | Noticed a dread lich
274808 | Zig:9    | Killed a dread lich
274809 | Zig:9    | Killed a dread lich
274811 | Zig:9    | Killed a dread lich
274813 | Zig:9    | Killed a dread lich
274814 | Zig:9    | Killed an ancient lich
274838 | Zig:9    | Killed a dread lich
274859 | Zig:9    | Identified the +5 plate armour of Orphybragge {Int+3}
275118 | Zig:10   | Entered Level 10 of a ziggurat
275128 | Zig:10   | Gained mutation: Your magical capacity is low. (-10% MP) [a
                  | shining eye]
275300 | Zig:10   | Identified the +5 great sword of the Imperium {flame,
                  | Str+4}
275306 | Zig:10   | Identified the +2 battleaxe "Miytil" {heavy, rF+ rC++
                  | rCorr}
275318 | Zig:10   | Identified the +0 pair of gloves of Uskayaw's Esteem
                  | {Int+2}
275319 | Zig:10   | Identified the +0 pair of gloves of Sin {Contam rF+ Regen+
                  | Dex+4}
275320 | Zig:10   | Identified the amulet "Utuerphi" {Acrobat rElec rPois Str+5
                  | Dex-5}
275329 | Zig:10   | Identified the staff of air "Uhour" {rElec rN+ Str+3}
275340 | Zig:10   | Identified the staff of conjuration "Piloskiexe" {*Slow Fly
                  | rF+ Str+3}
275348 | Zig:10   | Identified the +2 glaive "Harcholl" {venom, rC+ rCorr SInv}
275351 | Zig:11   | Entered Level 11 of a ziggurat
275351 | Zig:11   | Noticed Fueng's ghost (legendary HOFi)
275351 | Zig:11   | Noticed swap's ghost (legendary DEFE)
275351 | Zig:11   | Noticed Xuqyot's ghost (legendary DsFi)
275351 | Zig:11   | Noticed Unuchuin's ghost (legendary GnFi)
275351 | Zig:11   | Noticed Rirumasy's ghost (legendary OpWn)
275351 | Zig:11   | Noticed Fouwomub's ghost (legendary FoEE)
275351 | Zig:11   | Noticed Ocwetyh's ghost (legendary OpCj)
275351 | Zig:11   | Noticed sleeves's ghost (legendary DsFi)
275351 | Zig:11   | Noticed Piginabag's ghost (veteran GnMo)
275351 | Zig:11   | Noticed Dameikh's ghost (veteran FoFi)
275351 | Zig:11   | Noticed Oreexun's ghost (legendary DECj)
275351 | Zig:11   | Noticed Xutext's ghost (adept DsAK)
275351 | Zig:11   | Noticed WiseOSalty's ghost (legendary TrGl)
275351 | Zig:11   | Noticed Giojuova's ghost (legendary GnBe)
275351 | Zig:11   | Noticed Qiywkoxu's ghost (legendary DjVM)
275351 | Zig:11   | Noticed Ycuhohed's ghost (veteran TeBe)
275351 | Zig:11   | Noticed Anafel's ghost (legendary GrFi)
275351 | Zig:11   | Noticed Zoplarin's ghost (legendary BaSk)
275351 | Zig:11   | Noticed Vuopse's ghost (legendary GnIE)
275351 | Zig:11   | Noticed astronautguy's ghost (master DEFE)
275351 | Zig:11   | Noticed Jeklifit's ghost (legendary FoFi)
275351 | Zig:11   | Noticed Pohawk's ghost (adept MiGl)
275351 | Zig:11   | Noticed EricTams's ghost (veteran MiBe)
275351 | Zig:11   | Noticed Haitsiopt's ghost (legendary DsGl)
275352 | Zig:11   | Noticed tigertrap's ghost (legendary DgHW)
275353 | Zig:11   | Noticed Vuopse's ghost (legendary GnIE)
275353 | Zig:11   | Noticed frimble's ghost (adept DsGl)
275353 | Zig:11   | Noticed Xuqyot's ghost (legendary DsFi)
275354 | Zig:11   | Killed Xutext's ghost
275354 | Zig:11   | Killed Rirumasy's ghost
275354 | Zig:11   | Killed Dameikh's ghost
275354 | Zig:11   | Killed Oreexun's ghost
275354 | Zig:11   | Killed Ycuhohed's ghost
275354 | Zig:11   | Killed Anafel's ghost
275354 | Zig:11   | Killed Pohawk's ghost
275354 | Zig:11   | Noticed Alysiarr's ghost (legendary KoHu)
275355 | Zig:11   | Noticed ragingrage's ghost (legendary OpFE)
275355 | Zig:11   | Killed Giojuova's ghost
275355 | Zig:11   | Killed EricTams's ghost
275355 | Zig:11   | Noticed reasonance's ghost (legendary HOMo)
275356 | Zig:11   | Killed astronautguy's ghost
275356 | Zig:11   | Noticed agentgt's ghost (legendary MiCK)
275356 | Zig:11   | Noticed strangelove's ghost (master GrEE)
275356 | Zig:11   | Noticed Heartburn's ghost (veteran MiFi)
275356 | Zig:11   | Noticed Unuchuin's ghost (legendary GnFi)
275356 | Zig:11   | Noticed swap's ghost (legendary DEFE)
275357 | Zig:11   | Killed sleeves's ghost
275357 | Zig:11   | Killed Qiywkoxu's ghost
275357 | Zig:11   | Noticed Talannal's ghost (legendary GnHW)
275357 | Zig:11   | Noticed Zachydoop's ghost (veteran MiMo)
275357 | Zig:11   | Noticed sleeves's ghost (legendary HuEE)
275357 | Zig:11   | Noticed Qeseci's ghost (legendary NaTm)
275357 | Zig:11   | Noticed thechecker02's ghost (legendary DDFi)
275357 | Zig:11   | Noticed meatyocre's ghost (veteran TrFi)
275358 | Zig:11   | Noticed Heartburn's ghost (veteran MiFi)
275358 | Zig:11   | Noticed astronautguy's ghost (master DEFE)
275358 | Zig:11   | Killed Zoplarin's ghost
275358 | Zig:11   | Killed frimble's ghost
275359 | Zig:11   | Noticed Huju's ghost (legendary HOFi)
275359 | Zig:11   | Killed Vuopse's ghost
275359 | Zig:11   | Killed Ocwetyh's ghost
275359 | Zig:11   | Killed Piginabag's ghost
275360 | Zig:11   | Killed Alysiarr's ghost
275360 | Zig:11   | Killed Unuchuin's ghost
275360 | Zig:11   | Killed Fouwomub's ghost
275362 | Zig:11   | Noticed corvin's ghost (legendary OgWn)
275363 | Zig:11   | Killed strangelove's ghost
275366 | Zig:11   | Noticed Dittersdorf's ghost (legendary MiBe)
275366 | Zig:11   | Noticed Hacvoq's ghost (legendary HOFi)
275366 | Zig:11   | Noticed Hewasun's ghost (legendary MiBe)
275368 | Zig:11   | Killed WiseOSalty's ghost
275369 | Zig:11   | Killed Xuqyot's ghost
275369 | Zig:11   | Killed Jeklifit's ghost
275373 | Zig:11   | Noticed Hacvoq's ghost (legendary HOFi)
275377 | Zig:11   | Killed by the air
                  | ... invoked by reasonance's ghost
                  | (21 damage)
275380 | Zig:11   | Noticed frimble's ghost (adept DsGl)
275384 | Zig:11   | Killed Xuqyot's ghost
275384 | Zig:11   | Killed agentgt's ghost
275384 | Zig:11   | Killed swap's ghost
275384 | Zig:11   | Killed thechecker02's ghost
275386 | Zig:11   | Killed Talannal's ghost
275386 | Zig:11   | Killed astronautguy's ghost
275386 | Zig:11   | Killed ragingrage's ghost
275386 | Zig:11   | Killed Vuopse's ghost
275387 | Zig:11   | Killed sleeves's ghost
275387 | Zig:11   | Killed Heartburn's ghost
275387 | Zig:11   | Killed Heartburn's ghost
275387 | Zig:11   | Killed meatyocre's ghost
275388 | Zig:11   | Killed frimble's ghost
275389 | Zig:11   | Killed corvin's ghost
275389 | Zig:11   | Killed Unuchuin's ghost
275389 | Zig:11   | Killed Fueng's ghost
275390 | Zig:11   | Killed swap's ghost
275390 | Zig:11   | Killed reasonance's ghost
275394 | Zig:11   | Killed Hewasun's ghost
275396 | Zig:11   | Mangled by Zachydoop's ghost (26 damage)
275420 | Zig:11   | Killed Dittersdorf's ghost
275421 | Zig:11   | Killed Qeseci's ghost
275421 | Zig:11   | Killed by Shatter
                  | ... invoked by tigertrap's ghost
                  | (95 damage)
275423 | Zig:11   | Killed by Shatter
                  | ... invoked by tigertrap's ghost
                  | (193 damage)
275423 | Zig:11   | Killed Zachydoop's ghost
275425 | Zig:11   | Killed Hacvoq's ghost
275427 | Zig:11   | Killed tigertrap's ghost
275434 | Zig:11   | Killed Huju's ghost
275443 | Zig:11   | Gained mutation: You are covered in fur. (AC +1) [hidden
                  | potential]
275443 | Zig:11   | Lost mutation: You have hidden genetic potential. [hidden
                  | potential expressed]
275449 | Zig:11   | Killed from afar by Haitsiopt's ghost (50 damage)
                  | ... with a great blast of fire
275449 | Zig:11   | Killed Haitsiopt's ghost
275449 | Zig:11   | Killed Hacvoq's ghost
275718 | Zig:12   | Entered Level 12 of a ziggurat
275718 | Zig:12   | Noticed Alashriod the pandemonium lord
275718 | Zig:12   | Noticed Ekoor the pandemonium lord
275718 | Zig:12   | Noticed Oczunur the pandemonium lord
275718 | Zig:12   | Noticed Sadel the pandemonium lord
275718 | Zig:12   | Noticed Pufaon the pandemonium lord
275718 | Zig:12   | Noticed Dour the pandemonium lord
275718 | Zig:12   | Noticed Fegachahea the pandemonium lord
275718 | Zig:12   | Noticed Laufop the pandemonium lord
275718 | Zig:12   | Noticed Ewungib the pandemonium lord
275718 | Zig:12   | Noticed Bistriud the pandemonium lord
275718 | Zig:12   | Noticed Ydomas the pandemonium lord
275718 | Zig:12   | Noticed Keyfemad the pandemonium lord
275718 | Zig:12   | Noticed Faip the pandemonium lord
275718 | Zig:12   | Noticed Tisykex the pandemonium lord
275718 | Zig:12   | Noticed Tuxuec the pandemonium lord
275718 | Zig:12   | Noticed Natheveekh the pandemonium lord
275718 | Zig:12   | Noticed Piacaqi the pandemonium lord
275718 | Zig:12   | Noticed Kazy the pandemonium lord
275718 | Zig:12   | Noticed Keiveido the pandemonium lord
275718 | Zig:12   | Noticed Pis Tyif the pandemonium lord
275718 | Zig:12   | Noticed Kurph the pandemonium lord
275718 | Zig:12   | Noticed Xon Reen the pandemonium lord
275719 | Zig:12   | Killed Ekoor the pandemonium lord
275719 | Zig:12   | Noticed Odyod the pandemonium lord
275719 | Zig:12   | Killed Kurph the pandemonium lord
275719 | Zig:12   | Noticed Araif the pandemonium lord
275720 | Zig:12   | Noticed Anaogips the pandemonium lord
275720 | Zig:12   | Killed Keiveido the pandemonium lord
275720 | Zig:12   | Noticed Cysell the pandemonium lord
275720 | Zig:12   | Noticed Feuso the pandemonium lord
275720 | Zig:12   | Noticed Bogirch the pandemonium lord
275720 | Zig:12   | Killed Bistriud the pandemonium lord
275720 | Zig:12   | Killed Tuxuec the pandemonium lord
275720 | Zig:12   | Noticed Yvym the pandemonium lord
275722 | Zig:12   | Noticed Kolylit the pandemonium lord
275724 | Zig:12   | Noticed Xuomutz the pandemonium lord
275724 | Zig:12   | Noticed Qeck the pandemonium lord
275724 | Zig:12   | Noticed Xoadgha the pandemonium lord
275724 | Zig:12   | Noticed Woilatwo the pandemonium lord
275725 | Zig:12   | Noticed Jeadaena the pandemonium lord
275725 | Zig:12   | Noticed Dodecs the pandemonium lord
275725 | Zig:12   | Noticed Berhaeng the pandemonium lord
275725 | Zig:12   | Noticed Zemetot the pandemonium lord
275726 | Zig:12   | Noticed Vuarune the pandemonium lord
275726 | Zig:12   | Noticed Opid Iwukh the pandemonium lord
275726 | Zig:12   | Noticed Kuliowyn the pandemonium lord
275726 | Zig:12   | Noticed Wionkaa the pandemonium lord
275727 | Zig:12   | Noticed Firchocua the pandemonium lord
275727 | Zig:12   | Noticed Gura the pandemonium lord
275727 | Zig:12   | Noticed Akepheana the pandemonium lord
275727 | Zig:12   | Noticed Urhil Lenofo the pandemonium lord
275727 | Zig:12   | Noticed Rischuomo the pandemonium lord
275727 | Zig:12   | Killed Dour the pandemonium lord
275727 | Zig:12   | Killed Pis Tyif the pandemonium lord
275727 | Zig:12   | Killed Piacaqi the pandemonium lord
275727 | Zig:12   | Killed Tisykex the pandemonium lord
275728 | Zig:12   | Noticed Gereas the pandemonium lord
275728 | Zig:12   | Noticed Tikih the pandemonium lord
275728 | Zig:12   | Noticed Intihoot the pandemonium lord
275728 | Zig:12   | Noticed Vaexepoo the pandemonium lord
275728 | Zig:12   | Killed Laufop the pandemonium lord
275728 | Zig:12   | Killed Sadel the pandemonium lord
275728 | Zig:12   | Killed Ewungib the pandemonium lord
275728 | Zig:12   | Killed Oczunur the pandemonium lord
275728 | Zig:12   | Killed Pufaon the pandemonium lord
275728 | Zig:12   | Killed Keyfemad the pandemonium lord
275728 | Zig:12   | Killed Xon Reen the pandemonium lord
275728 | Zig:12   | Killed Kazy the pandemonium lord
275728 | Zig:12   | Noticed Ciuthrar the pandemonium lord
275728 | Zig:12   | Noticed Aram the pandemonium lord
275729 | Zig:12   | Noticed Jafis the pandemonium lord
275729 | Zig:12   | Noticed Rain the pandemonium lord
275729 | Zig:12   | Noticed Koshof the pandemonium lord
275729 | Zig:12   | Noticed Yzesa Guz the pandemonium lord
275730 | Zig:12   | Noticed Lomnoudgh the pandemonium lord
275731 | Zig:12   | Killed Opid Iwukh the pandemonium lord
275731 | Zig:12   | Killed Natheveekh the pandemonium lord
275731 | Zig:12   | Noticed Fiutsofeny the pandemonium lord
275734 | Zig:12   | Noticed Olotsila the pandemonium lord
275738 | Zig:12   | Killed Jafis the pandemonium lord
275738 | Zig:12   | Killed Dodecs the pandemonium lord
275739 | Zig:12   | HP: 9/199 [spore (6)]
275741 | Zig:12   | Killed Akepheana the pandemonium lord
275742 | Zig:12   | Killed Vuarune the pandemonium lord
275743 | Zig:12   | Killed Qeck the pandemonium lord
275743 | Zig:12   | HP: 2/199 [spore (4)]
275744 | Zig:12   | Killed Odyod the pandemonium lord
275744 | Zig:12   | Killed Ydomas the pandemonium lord
275744 | Zig:12   | Slain by Berhaeng the pandemonium lord (2 damage)
275744 | Zig:12   | Noticed Yrpheac the pandemonium lord
275745 | Zig:12   | Noticed Zineog the pandemonium lord
275746 | Zig:12   | Killed Aram the pandemonium lord
275748 | Zig:12   | Killed Woilatwo the pandemonium lord
275748 | Zig:12   | Killed Anaogips the pandemonium lord
275749 | Zig:12   | Killed Ciuthrar the pandemonium lord
275749 | Zig:12   | Killed Jeadaena the pandemonium lord
275751 | Zig:12   | HP: 9/199 [spore (8)]
275751 | Zig:12   | Killed Feuso the pandemonium lord
275753 | Zig:12   | Killed by an exploding ball lightning (16 damage)
275753 | Zig:12   | Killed Faip the pandemonium lord
275753 | Zig:12   | Killed Fegachahea the pandemonium lord
275753 | Zig:12   | Killed Zemetot the pandemonium lord
275754 | Zig:12   | Killed Alashriod the pandemonium lord
275754 | Zig:12   | Killed Rain the pandemonium lord
275754 | Zig:12   | Killed Urhil Lenofo the pandemonium lord
275754 | Zig:12   | Killed Wionkaa the pandemonium lord
275754 | Zig:12   | Killed Yvym the pandemonium lord
275754 | Zig:12   | Killed Olotsila the pandemonium lord
275755 | Zig:12   | Killed Xuomutz the pandemonium lord
275755 | Zig:12   | Killed Araif the pandemonium lord
275755 | Zig:12   | Killed Yrpheac the pandemonium lord
275755 | Zig:12   | Killed Yzesa Guz the pandemonium lord
275755 | Zig:12   | Killed Tikih the pandemonium lord
275757 | Zig:12   | Killed Kolylit the pandemonium lord
275759 | Zig:12   | Killed Cysell the pandemonium lord
275760 | Zig:12   | HP: 8/199 [Firchocua the pandemonium lord (24)]
275760 | Zig:12   | Slain by Firchocua the pandemonium lord (9 damage)
275762 | Zig:12   | Killed Gura the pandemonium lord
275764 | Zig:12   | Killed Intihoot the pandemonium lord
275765 | Zig:12   | Killed Berhaeng the pandemonium lord
275768 | Zig:12   | Killed Gereas the pandemonium lord
275769 | Zig:12   | Killed Koshof the pandemonium lord
275769 | Zig:12   | Killed Xoadgha the pandemonium lord
275769 | Zig:12   | Killed Vaexepoo the pandemonium lord
275769 | Zig:12   | Killed Zineog the pandemonium lord
275782 | Zig:12   | Killed Bogirch the pandemonium lord
275785 | Zig:12   | Killed Kuliowyn the pandemonium lord
275792 | Zig:12   | Killed Lomnoudgh the pandemonium lord
275792 | Zig:12   | HP: 3/199 [large abomination[Rischuomo] (18)]
275793 | Zig:12   | Slain by Firchocua the pandemonium lord (5 damage)
275801 | Zig:12   | Killed Firchocua the pandemonium lord
275817 | Zig:12   | Killed Fiutsofeny the pandemonium lord
275828 | Zig:12   | Killed Rischuomo the pandemonium lord
276118 | Zig:12   | Identified the ring "Ocedd" {Str+6 Int+6}
276130 | Zig:12   | Lost mutation: You are covered in fur. (AC +1) [potion of
                  | mutation]
276130 | Zig:12   | Lost mutation: You are agile. (Dex +4, Str/Int -1) [potion
                  | of mutation]
276130 | Zig:12   | Lost mutation: Your magical capacity is low. (-10% MP)
                  | [potion of mutation]
276130 | Zig:12   | Gained mutation: You are agile. (Dex +4, Str/Int -1)
                  | [potion of mutation]
276131 | Zig:12   | Lost mutation: You expend magic power (3 MP) to strengthen
                  | your wands. [potion of mutation]
276131 | Zig:12   | Lost mutation: You are agile. (Dex +4, Str/Int -1) [potion
                  | of mutation]
276131 | Zig:12   | Gained mutation: You are agile. (Dex +4, Str/Int -1)
                  | [potion of mutation]
276131 | Zig:12   | Gained mutation: Your mind is acute. (Int +4, Str/Dex -1)
                  | [potion of mutation]
276131 | Zig:12   | Gained mutation: Your flesh is cold resistant. (rC+)
                  | [potion of mutation]
276131 | Zig:12   | Gained mutation: You have hidden genetic potential. [potion
                  | of mutation]
276153 | Zig:13   | Entered Level 13 of a ziggurat
276185 | Zig:13   | Identified the ring "Mion" {rN+ rCorr Str+4}
276197 | Zig:13   | Identified the staff of death "Eshoiwuc" {rN+ Int+3 Dex+2}
276203 | Zig:13   | Identified the ring "Utho" {Fire rN++ Slay+3}
276378 | Zig:13   | Identified the ring "Rekeades" {rCorr SInv}
276395 | Zig:14   | Entered Level 14 of a ziggurat
276409 | Zig:14   | Paralysed by an air elemental for 1 turns
276432 | Zig:14   | Identified the ring of Derun {Int+6 Dex+4}
276444 | Zig:14   | Identified the +5 chain mail "Baituika" {Contam Harm rPois
                  | rN+}
276623 | Zig:14   | Identified the staff of air "Hamepn" {Drain rElec rN+
                  | Str+3}
276624 | Zig:14   | Identified the +1 scale mail "Isiseng" {rC- rN+ Int+3}
276683 | Zig:14   | Identified the +9 lajatang "Vueva" {speed, *Slow +Blink
                  | rPois SInv}
276684 | Zig:14   | Identified the +2 pair of boots of Wonder {rC+}
276690 | Zig:15   | Entered Level 15 of a ziggurat
276807 | Zig:15   | HP: 5/199 [emperor scorpion simulacrum (10)]
277182 | Zig:15   | Identified the staff of fire "Monivvos" {Drain rF+ rC+ rN+
                  | Int+2}
277191 | Zig:15   | Identified the +1 ring mail of Distant Shores {Str+3}
277199 | Zig:15   | Identified the +6 shortbow "Liurain" {freeze, rPois Str+3}
277200 | Zig:15   | Identified the +5 glaive of Subjectivity {flame, Contam
                  | rN++ Will+++ Str-4}
277201 | Zig:15   | Identified the +6 war axe of Brawling {elec, rPois rN+
                  | Will- Str+2}
277202 | Zig:15   | Identified the staff of earth "Urchet" {Fly rCorr Dex-3}
277233 | Zig:15   | Identified the staff of earth "Soceshre" {*Slow rElec rC+}
277255 | Zig:16   | Entered Level 16 of a ziggurat
277255 | Zig:16   | Noticed an orb of fire
277255 | Zig:16   | Noticed an orb of fire
277255 | Zig:16   | Noticed an orb of fire
277255 | Zig:16   | Noticed an orb of fire
277255 | Zig:16   | Noticed an orb of fire
277255 | Zig:16   | Noticed an orb of fire
277255 | Zig:16   | Noticed an orb of fire
277255 | Zig:16   | Noticed an orb of fire
277255 | Zig:16   | Noticed an orb of fire
277255 | Zig:16   | Noticed an orb of fire
277255 | Zig:16   | Noticed an orb of fire
277255 | Zig:16   | Noticed an orb of fire
277255 | Zig:16   | Noticed an orb of fire
277255 | Zig:16   | Noticed an orb of fire
277257 | Zig:16   | Noticed an orb of fire
277257 | Zig:16   | HP: 2/199 [fire giant/bolt of fire (55)]
277257 | Zig:16   | Killed from afar by an orb of fire (15 damage)
                  | ... with a fireball
277257 | Zig:16   | Noticed an orb of fire
277259 | Zig:16   | Killed an orb of fire
277259 | Zig:16   | Killed an orb of fire
277259 | Zig:16   | Killed from afar by an orb of fire (89 damage)
                  | ... with a fireball
277259 | Zig:16   | Noticed an orb of fire
277259 | Zig:16   | Noticed an orb of fire
277259 | Zig:16   | Noticed an orb of fire
277260 | Zig:16   | Noticed an orb of fire
277260 | Zig:16   | Killed an orb of fire
277260 | Zig:16   | Killed an orb of fire
277260 | Zig:16   | Noticed an orb of fire
277261 | Zig:16   | Noticed an orb of fire
277261 | Zig:16   | Noticed an orb of fire
277261 | Zig:16   | Killed an orb of fire
277261 | Zig:16   | Killed an orb of fire
277261 | Zig:16   | Killed an orb of fire
277261 | Zig:16   | Killed an orb of fire
277261 | Zig:16   | Noticed an orb of fire
277261 | Zig:16   | Noticed an orb of fire
277261 | Zig:16   | Noticed an orb of fire
277261 | Zig:16   | Noticed an orb of fire
277262 | Zig:16   | Noticed an orb of fire
277262 | Zig:16   | Killed an orb of fire
277262 | Zig:16   | Noticed an orb of fire
277262 | Zig:16   | Noticed an orb of fire
277262 | Zig:16   | Gained mutation: You do not regenerate when monsters are
                  | visible. [an orb of fire]
277262 | Zig:16   | Noticed an orb of fire
277262 | Zig:16   | Killed from afar by an orb of fire (82 damage)
                  | ... with a bolt of fire
277263 | Zig:16   | Noticed an orb of fire
277263 | Zig:16   | Killed an orb of fire
277263 | Zig:16   | Killed an orb of fire
277263 | Zig:16   | Killed an orb of fire
277263 | Zig:16   | Noticed an orb of fire
277264 | Zig:16   | Noticed an orb of fire
277264 | Zig:16   | Noticed an orb of fire
277264 | Zig:16   | Noticed an orb of fire
277264 | Zig:16   | HP: 6/199 [orb of fire/bolt of fire (34)]
277264 | Zig:16   | Killed from afar by an orb of fire (54 damage)
                  | ... with a fireball
277264 | Zig:16   | Noticed an orb of fire
277265 | Zig:16   | Noticed an orb of fire
277265 | Zig:16   | Noticed an orb of fire
277265 | Zig:16   | Noticed an orb of fire
277265 | Zig:16   | Killed from afar by an orb of fire (54 damage)
                  | ... with a bolt of fire
277267 | Zig:16   | Noticed an orb of fire
277267 | Zig:16   | Killed from afar by an orb of fire (40 damage)
                  | ... with a fireball
277268 | Zig:16   | Killed from afar by an orb of fire (64 damage)
                  | ... with a fireball
277269 | Zig:16   | Noticed an orb of fire
277269 | Zig:16   | Lost mutation: You are agile. (Dex +4, Str/Int -1) [an orb
                  | of fire]
277269 | Zig:16   | Killed from afar by an orb of fire (74 damage)
                  | ... with a bolt of fire
277270 | Zig:16   | Killed from afar by an orb of fire (65 damage)
                  | ... with a bolt of fire
277271 | Zig:16   | HP: 8/199 [fire dragon/blast of flame (50)]
277271 | Zig:16   | Killed by divine providence
                  | ... invoked by a balrug
                  | (13 damage)
277272 | Zig:16   | Killed from afar by an orb of fire (32 damage)
                  | ... with a fireball
277272 | Zig:16   | Killed from afar by an orb of fire (64 damage)
                  | ... with a bolt of fire
277272 | Zig:16   | Killed from afar by an orb of fire (34 damage)
                  | ... with a fireball
277273 | Zig:16   | Killed from afar by an orb of fire (48 damage)
                  | ... with a fireball
277274 | Zig:16   | Killed an orb of fire
277274 | Zig:16   | Killed an orb of fire
277274 | Zig:16   | Killed from afar by an orb of fire (31 damage)
                  | ... with a bolt of fire
277274 | Zig:16   | Gained mutation: You are weak. (Str -2) [an orb of fire]
277274 | Zig:16   | Killed from afar by an orb of fire (71 damage)
                  | ... with a fireball
277275 | Zig:16   | Lost mutation: Your mind is acute. (Int +4, Str/Dex -1) [an
                  | orb of fire]
277275 | Zig:16   | Killed from afar by an orb of fire (77 damage)
                  | ... with a fireball
277276 | Zig:16   | Gained mutation: You are dopey. (Int -2) [an orb of fire]
277276 | Zig:16   | Gained mutation: You are frail. (-10% HP) [an orb of fire]
277276 | Zig:16   | Killed from afar by an orb of fire (56 damage)
                  | ... with a fireball
277278 | Zig:16   | Killed from afar by an orb of fire (46 damage)
                  | ... with a fireball
277278 | Zig:16   | Killed from afar by an orb of fire (37 damage)
                  | ... with a bolt of fire
277279 | Zig:16   | Killed an orb of fire
277279 | Zig:16   | Killed from afar by an orb of fire (49 damage)
                  | ... with a bolt of fire
277280 | Zig:16   | Noticed an orb of fire
277280 | Zig:16   | Gained mutation: Armour fits poorly on your strangely
                  | shaped body. [an orb of fire]
277281 | Zig:16   | Killed from afar by an orb of fire (111 damage)
                  | ... with a fireball
277282 | Zig:16   | HP: 2/179 [orb of fire/bolt of fire (56)]
277282 | Zig:16   | Killed from afar by an orb of fire (11 damage)
                  | ... with a bolt of fire
277282 | Zig:16   | Killed from afar by an orb of fire (52 damage)
                  | ... with a fireball
277282 | Zig:16   | Gained mutation: You are very frail. (-20% HP) [an orb of
                  | fire]
277283 | Zig:16   | Gained mutation: You are clumsy. (Dex -2) [an orb of fire]
277283 | Zig:16   | Killed from afar by an orb of fire (20 damage)
                  | ... with a bolt of fire
277284 | Zig:16   | Killed from afar by a balrug (35 damage)
                  | ... with a fireball
277284 | Zig:16   | Gained mutation: You are extremely frail. (-30% HP) [an orb
                  | of fire]
277285 | Zig:16   | Killed from afar by an orb of fire (49 damage)
                  | ... with a bolt of fire
277286 | Zig:16   | Killed from afar by an orb of fire (20 damage)
                  | ... with a bolt of fire
277286 | Zig:16   | Killed from afar by an orb of fire (72 damage)
                  | ... with a fireball
277287 | Zig:16   | Killed an orb of fire
277287 | Zig:16   | Killed from afar by an orb of fire (67 damage)
                  | ... with a bolt of fire
277288 | Zig:16   | HP: 3/139 [balrug/divine providence (10)]
277288 | Zig:16   | Killed from afar by an orb of fire (45 damage)
                  | ... with a bolt of fire
277289 | Zig:16   | Killed from afar by an orb of fire (53 damage)
                  | ... with a bolt of fire
277290 | Zig:16   | Killed from afar by an orb of fire (89 damage)
                  | ... with a fireball
277290 | Zig:16   | Killed from afar by an orb of fire (51 damage)
                  | ... with a bolt of fire
277290 | Zig:16   | Killed from afar by an orb of fire (37 damage)
                  | ... with a bolt of fire
277291 | Zig:16   | Killed from afar by an orb of fire (36 damage)
                  | ... with a bolt of fire
277292 | Zig:16   | Killed from afar by an orb of fire (73 damage)
                  | ... with a bolt of fire
277292 | Zig:16   | Gained mutation: Potions are less effective at restoring
                  | your health. [an orb of fire]
277292 | Zig:16   | Killed from afar by an orb of fire (35 damage)
                  | ... with a fireball
277292 | Zig:16   | Killed from afar by an orb of fire (100 damage)
                  | ... with a bolt of fire
277294 | Zig:16   | Killed from afar by an orb of fire (24 damage)
                  | ... with a bolt of fire
277294 | Zig:16   | Gained mutation: You sometimes lose your temper in combat.
                  | [an orb of fire]
277294 | Zig:16   | Killed from afar by an orb of fire (94 damage)
                  | ... with a bolt of fire
277295 | Zig:16   | HP: 5/139 [orb of fire/bolt of fire (40)]
277295 | Zig:16   | Killed by divine providence
                  | ... invoked by a balrug
                  | (14 damage)
277296 | Zig:16   | Killed from afar by an orb of fire (34 damage)
                  | ... with a bolt of fire
277298 | Zig:16   | Killed from afar by an orb of fire (22 damage)
                  | ... with a fireball
277299 | Zig:16   | Killed from afar by an orb of fire (24 damage)
                  | ... with a bolt of fire
277300 | Zig:16   | Killed from afar by an orb of fire (56 damage)
                  | ... with a bolt of fire
277300 | Zig:16   | Killed from afar by an orb of fire (76 damage)
                  | ... with a bolt of fire
277302 | Zig:16   | Killed from afar by an orb of fire (21 damage)
                  | ... with a bolt of fire
277302 | Zig:16   | HP: 1/139 [orb of fire/fireball (21)]
277302 | Zig:16   | Killed from afar by an orb of fire (71 damage)
                  | ... with a bolt of fire
277303 | Zig:16   | Killed from afar by an orb of fire (60 damage)
                  | ... with a bolt of fire
277304 | Zig:16   | Killed from afar by an orb of fire (50 damage)
                  | ... with a fireball
277305 | Zig:16   | Killed from afar by an orb of fire (69 damage)
                  | ... with a bolt of fire
277305 | Zig:16   | Killed from afar by an orb of fire (62 damage)
                  | ... with a bolt of fire
277305 | Zig:16   | Gained mutation: Your magical capacity is low. (-10% MP)
                  | [an orb of fire]
277306 | Zig:16   | Killed from afar by an orb of fire (82 damage)
                  | ... with a bolt of fire
277306 | Zig:16   | Killed from afar by an orb of fire (77 damage)
                  | ... with a bolt of fire
277306 | Zig:16   | Killed from afar by an orb of fire (46 damage)
                  | ... with a fireball
277307 | Zig:16   | HP: 6/139 [orb of fire/bolt of fire (15)]
277307 | Zig:16   | Killed from afar by an orb of fire (50 damage)
                  | ... with a bolt of fire
277309 | Zig:16   | Killed from afar by an orb of fire (62 damage)
                  | ... with a fireball
277310 | Zig:16   | Killed an orb of fire
277311 | Zig:16   | Killed from afar by an orb of fire (60 damage)
                  | ... with a bolt of fire
277313 | Zig:16   | Killed from afar by an orb of fire (50 damage)
                  | ... with a bolt of fire
277314 | Zig:16   | Killed from afar by an orb of fire (54 damage)
                  | ... with a bolt of fire
277315 | Zig:16   | Killed from afar by an orb of fire (78 damage)
                  | ... with a fireball
277315 | Zig:16   | Killed from afar by an orb of fire (39 damage)
                  | ... with a bolt of fire
277316 | Zig:16   | Killed from afar by an orb of fire (49 damage)
                  | ... with a fireball
277318 | Zig:16   | Killed from afar by an orb of fire (79 damage)
                  | ... with a bolt of fire
277319 | Zig:16   | Killed from afar by an orb of fire (35 damage)
                  | ... with a bolt of fire
277320 | Zig:16   | HP: 5/139 [orb of fire/bolt of fire (40)]
277320 | Zig:16   | Killed from afar by an orb of fire (6 damage)
                  | ... with a bolt of fire
277321 | Zig:16   | Killed from afar by an orb of fire (47 damage)
                  | ... with a bolt of fire
277322 | Zig:16   | Killed from afar by an orb of fire (84 damage)
                  | ... with a bolt of fire
277323 | Zig:16   | Killed from afar by an orb of fire (70 damage)
                  | ... with a fireball
277323 | Zig:16   | Killed from afar by an orb of fire (27 damage)
                  | ... with a bolt of fire
277326 | Zig:16   | HP: 1/139 [orb of fire/bolt of fire (7)]
277326 | Zig:16   | Killed from afar by an orb of fire (24 damage)
                  | ... with a bolt of fire
277328 | Zig:16   | Killed from afar by an orb of fire (62 damage)
                  | ... with a bolt of fire
277329 | Zig:16   | Killed from afar by an orb of fire (45 damage)
                  | ... with a bolt of fire
277331 | Zig:16   | Killed from afar by an orb of fire (40 damage)
                  | ... with a fireball
277332 | Zig:16   | Killed from afar by an orb of fire (63 damage)
                  | ... with a bolt of fire
277332 | Zig:16   | Killed from afar by an orb of fire (67 damage)
                  | ... with a bolt of fire
277335 | Zig:16   | Killed from afar by an orb of fire (42 damage)
                  | ... with a bolt of fire
277336 | Zig:16   | Killed from afar by an orb of fire (46 damage)
                  | ... with a bolt of fire
277337 | Zig:16   | Killed from afar by an orb of fire (44 damage)
                  | ... with a fireball
277337 | Zig:16   | Killed from afar by an orb of fire (66 damage)
                  | ... with a bolt of fire
277337 | Zig:16   | Killed an orb of fire
277338 | Zig:16   | Killed from afar by an orb of fire (63 damage)
                  | ... with a bolt of fire
277339 | Zig:16   | Killed from afar by an orb of fire (45 damage)
                  | ... with a fireball
277342 | Zig:16   | Killed from afar by an orb of fire (22 damage)
                  | ... with a bolt of fire
277343 | Zig:16   | Killed an orb of fire
277343 | Zig:16   | Killed from afar by an orb of fire (64 damage)
                  | ... with a bolt of fire
277343 | Zig:16   | Killed an orb of fire
277343 | Zig:16   | Killed an orb of fire
277343 | Zig:16   | Killed an orb of fire
277344 | Zig:16   | HP: 5/139 [orb of fire/bolt of fire (16)]
277344 | Zig:16   | Killed from afar by an orb of fire (14 damage)
                  | ... with a bolt of fire
277345 | Zig:16   | Killed an orb of fire
277345 | Zig:16   | Killed from afar by an orb of fire (24 damage)
                  | ... with a bolt of fire
277346 | Zig:16   | Killed from afar by an orb of fire (30 damage)
                  | ... with a bolt of fire
277346 | Zig:16   | Killed an orb of fire
277347 | Zig:16   | Killed from afar by an orb of fire (41 damage)
                  | ... with a fireball
277347 | Zig:16   | Killed an orb of fire
277347 | Zig:16   | Killed an orb of fire
277347 | Zig:16   | Killed an orb of fire
277348 | Zig:16   | Killed an orb of fire
277348 | Zig:16   | Killed from afar by an orb of fire (53 damage)
                  | ... with a bolt of fire
277349 | Zig:16   | Gained mutation: Your spells are a little easier to cast,
                  | but a little less powerful. [an orb of fire]
277350 | Zig:16   | HP: 1/139 [orb of fire/bolt of fire (43)]
277350 | Zig:16   | Killed from afar by an orb of fire (46 damage)
                  | ... with a bolt of fire
277352 | Zig:16   | Killed an orb of fire
277353 | Zig:16   | Killed an orb of fire
277353 | Zig:16   | Killed an orb of fire
277355 | Zig:16   | Killed an orb of fire
277356 | Zig:16   | Killed an orb of fire
277356 | Zig:16   | Killed from afar by an orb of fire (71 damage)
                  | ... with a fireball
277356 | Zig:16   | HP: 6/139 [orb of fire/fireball (34)]
277356 | Zig:16   | Killed from afar by an orb of fire (57 damage)
                  | ... with a bolt of fire
277358 | Zig:16   | Killed from afar by an orb of fire (39 damage)
                  | ... with a bolt of fire
277359 | Zig:16   | Killed an orb of fire
277360 | Zig:16   | Killed from afar by an orb of fire (73 damage)
                  | ... with a fireball
277360 | Zig:16   | Killed an orb of fire
277363 | Zig:16   | Killed an orb of fire
277364 | Zig:16   | Killed an orb of fire
277364 | Zig:16   | Killed an orb of fire
277366 | Zig:16   | Killed from afar by an orb of fire (52 damage)
                  | ... with a bolt of fire
277368 | Zig:16   | HP: 3/139 [orb of fire/bolt of fire (4)]
277369 | Zig:16   | Killed from afar by an orb of fire (36 damage)
                  | ... with a fireball
277371 | Zig:16   | Killed an orb of fire
277373 | Zig:16   | Gained mutation: You have an uncontrollable temper. [an orb
                  | of fire]
277373 | Zig:16   | Gained mutation: You are occasionally teleported next to
                  | monsters. [an orb of fire]
277374 | Zig:16   | Killed an orb of fire
277374 | Zig:16   | Killed from afar by an orb of fire (71 damage)
                  | ... with a fireball
277375 | Zig:16   | Killed an orb of fire
277377 | Zig:16   | Killed from afar by an orb of fire (31 damage)
                  | ... with a fireball
277381 | Zig:16   | Killed from afar by an orb of fire (39 damage)
                  | ... with a bolt of fire
277387 | Zig:16   | Killed an orb of fire
277399 | Zig:16   | Killed from afar by an orb of fire (32 damage)
                  | ... with a fireball
277410 | Zig:16   | Gained mutation: Your body sometimes deteriorates upon
                  | taking damage. [an orb of fire]
277411 | Zig:16   | Killed from afar by an orb of fire (66 damage)
                  | ... with a bolt of fire
277413 | Zig:16   | Killed an orb of fire
277588 | Zig:16   | Identified the ring "Lueloid" {rPois Will+ Stlth+}
277596 | Zig:16   | Identified the ring of Meiffiff {Wiz rElec Str-5 Int+2
                  | Dex+2}
277598 | Zig:16   | Identified the +4 falchion of Vucur {venom, rF++ Will-
                  | Dex+5}
277610 | Zig:16   | Identified the +5 trident "Erhoavar" {venom, rPois rF+
                  | Str+6 Dex-3}
277613 | Zig:16   | Identified the staff of fire "Qammec" {rF+ rC+++ MP+9 Int+2
                  | Dex-4}
277621 | Zig:16   | Identified the ring "Vish" {rF+ Str-5 Int+6 Slay+5 Stlth+}
277676 | Zig:17   | Entered Level 17 of a ziggurat
277687 | Zig:17   | HP: 2/139 [balrug/divine providence (17)]
277689 | Zig:17   | Slain by a demonspawn corrupter
                  | ... wielding a +1 demon trident of venom
                  | (7 damage)
277694 | Zig:17   | Killed by an exploding demonspawn blood saint (12 damage)
                  | ... ignited by their inner flame
277697 | Zig:17   | HP: 4/139 [balrug/divine providence (13)]
277697 | Zig:17   | Demolished by a demonspawn black sun
                  | ... wielding a +0 glaive
                  | (25 damage)
277701 | Zig:17   | Slain by a demonspawn corrupter
                  | ... wielding a +1 demon trident of venom
                  | (26 damage)
277704 | Zig:17   | Noticed Liprallu the pandemonium lord
277705 | Zig:17   | HP: 6/139 [burnt (1)]
277705 | Zig:17   | Demolished by a demonspawn corrupter
                  | ... wielding a +1 demon trident of venom
                  | (26 damage)
277707 | Zig:17   | Slain by a soul eater (illusionary) (6 damage)
277710 | Zig:17   | Killed from afar by a Hell Sentinel (35 damage)
                  | ... with an iron shot
277714 | Zig:17   | Killed by divine providence
                  | ... invoked by a balrug
                  | (10 damage)
277717 | Abyss:5  | Found a corrupted altar of Lugonu.
277717 | Abyss:5  | Found a corrupted altar of Lugonu.
277717 | Abyss:5  | Cast into level 5 of the Abyss (Liprallu)
277796 | Zig:17   | Escaped the Abyss
277798 | Zig:17   | HP: 3/139 [Liprallu the pandemonium lord (6)]
277798 | Zig:17   | Killed Liprallu the pandemonium lord
277798 | Zig:17   | Killed from afar by a Brimstone Fiend (27 damage)
                  | ... with damnation
277810 | Zig:17   | Killed by divine providence
                  | ... invoked by a smoke demon
                  | (14 damage)
277817 | Zig:17   | HP: 5/139 [smoke demon/divine providence (10)]
277818 | Zig:17   | Shot with an arrow by a demonspawn warmonger (23 damage)
277827 | Zig:17   | Killed by an exploding demonspawn blood saint (41 damage)
                  | ... ignited by their inner flame
277830 | Zig:17   | HP: 1/139 [balrug/divine providence (15)]
277831 | Zig:17   | Demolished by a Hell Sentinel (16 damage)
277834 | Zig:17   | Lost mutation: You are dopey. (Int -2) [hidden potential]
278125 | Zig:17   | Lost mutation: You are mostly covered in iridescent scales.
                  | (AC +4) [potion of mutation]
278125 | Zig:17   | Lost mutation: Your body sometimes deteriorates upon taking
                  | damage. [potion of mutation]
278125 | Zig:17   | Lost mutation: You are occasionally teleported next to
                  | monsters. [potion of mutation]
278125 | Zig:17   | Lost mutation: Your flesh is cold resistant. (rC+) [potion
                  | of mutation]
278126 | Zig:17   | Lost mutation: You have hidden genetic potential. [potion
                  | of mutation]
278126 | Zig:17   | Lost mutation: Your spells are a little easier to cast, but
                  | a little less powerful. [potion of mutation]
278126 | Zig:17   | Lost mutation: You are clumsy. (Dex -2) [potion of
                  | mutation]
278127 | Zig:17   | Lost mutation: You are weak. (Str -2) [potion of mutation]
278127 | Zig:17   | Lost mutation: Armour fits poorly on your strangely shaped
                  | body. [potion of mutation]
278127 | Zig:17   | Lost mutation: You have an uncontrollable temper. [potion
                  | of mutation]
278127 | Zig:17   | Gained mutation: Armour fits poorly on your strangely
                  | shaped body. [potion of mutation]
278127 | Zig:17   | Gained mutation: You have a beak for a mouth. [potion of
                  | mutation]
278128 | Zig:17   | Lost mutation: Your magical capacity is low. (-10% MP)
                  | [potion of mutation]
278128 | Zig:17   | Lost mutation: Armour fits poorly on your strangely shaped
                  | body. [potion of mutation]
278128 | Zig:17   | Lost mutation: Potions are less effective at restoring your
                  | health. [potion of mutation]
278128 | Zig:17   | Gained mutation: You are weak. (Str -2) [potion of
                  | mutation]
278128 | Zig:17   | Lost mutation: You sometimes lose your temper in combat.
                  | [potion of mutation]
278129 | Zig:17   | Lost mutation: You are partially covered in iridescent
                  | scales. (AC +2) [potion of mutation]
278129 | Zig:17   | Lost mutation: You are weak. (Str -2) [potion of mutation]
278129 | Zig:17   | Lost mutation: You do not regenerate when monsters are
                  | visible. [potion of mutation]
278130 | Zig:17   | Lost mutation: You have a beak for a mouth. [potion of
                  | mutation]
278130 | Zig:17   | Lost mutation: You are extremely frail. (-30% HP) [potion
                  | of mutation]
278130 | Zig:17   | Gained mutation: You are extremely frail. (-30% HP) [potion
                  | of mutation]
278130 | Zig:17   | Gained mutation: You are partially covered in iridescent
                  | scales. (AC +2) [potion of mutation]
278131 | Zig:17   | Lost mutation: You are partially covered in iridescent
                  | scales. (AC +2) [potion of mutation]
278131 | Zig:17   | Lost mutation: You are extremely frail. (-30% HP) [potion
                  | of mutation]
278131 | Zig:17   | Lost mutation: You are very frail. (-20% HP) [potion of
                  | mutation]
278131 | Zig:17   | Gained mutation: Your skin changes colour to match your
                  | surroundings (Stealth+). [potion of mutation]
278131 | Zig:17   | Gained mutation: Your body sometimes deteriorates upon
                  | taking damage. [potion of mutation]
278131 | Zig:17   | Gained mutation: You possess an exceptional clarity of
                  | mind. [potion of mutation]
278131 | Zig:17   | Gained mutation: You expend magic power (3 MP) to
                  | strengthen your wands. [potion of mutation]
278132 | Zig:17   | Lost mutation: You are frail. (-10% HP) [potion of
                  | mutation]
278132 | Zig:17   | Lost mutation: You possess an exceptional clarity of mind.
                  | [potion of mutation]
278132 | Zig:17   | Lost mutation: Your skin changes colour to match your
                  | surroundings (Stealth+). [potion of mutation]
278132 | Zig:17   | Gained mutation: You are weak. (Str -2) [potion of
                  | mutation]
278133 | Zig:17   | Lost mutation: You are weak. (Str -2) [potion of mutation]
278133 | Zig:17   | Lost mutation: Your body sometimes deteriorates upon taking
                  | damage. [potion of mutation]
278133 | Zig:17   | Gained mutation: You are robust. (+10% HP) [potion of
                  | mutation]
278133 | Zig:17   | Gained mutation: Your body sometimes deteriorates upon
                  | taking damage. [potion of mutation]
278134 | Zig:17   | Lost mutation: You are robust. (+10% HP) [potion of
                  | mutation]
278134 | Zig:17   | Lost mutation: Your body sometimes deteriorates upon taking
                  | damage. [potion of mutation]
278134 | Zig:17   | Gained mutation: You are partially covered in iridescent
                  | scales. (AC +2) [potion of mutation]
278135 | Zig:17   | Lost mutation: You expend magic power (3 MP) to strengthen
                  | your wands. [potion of mutation]
278135 | Zig:17   | Lost mutation: You are partially covered in iridescent
                  | scales. (AC +2) [potion of mutation]
278135 | Zig:17   | Gained mutation: Your muscles are strong. (Str +4, Int/Dex
                  | -1) [potion of mutation]
278136 | Zig:17   | Lost mutation: Your muscles are strong. (Str +4, Int/Dex
                  | -1) [potion of mutation]
278136 | Zig:17   | Gained mutation: Your body sometimes deteriorates upon
                  | taking damage. [potion of mutation]
278136 | Zig:17   | Gained mutation: You have a somewhat thin skeletal
                  | structure. (Dex +2, Stealth+) [potion of mutation]
278136 | Zig:17   | Gained mutation: You are clumsy. (Dex -2) [potion of
                  | mutation]
278137 | Zig:17   | Lost mutation: Your body sometimes deteriorates upon taking
                  | damage. [potion of mutation]
278137 | Zig:17   | Lost mutation: You have a somewhat thin skeletal structure.
                  | (Dex +2, Stealth+) [potion of mutation]
278137 | Zig:17   | Gained mutation: You possess an exceptional clarity of
                  | mind. [potion of mutation]
278137 | Zig:17   | Lost mutation: You are clumsy. (Dex -2) [potion of
                  | mutation]
278137 | Zig:17   | Gained mutation: You are frail. (-10% HP) [potion of
                  | mutation]
278137 | Zig:17   | Gained mutation: Your mind is acute. (Int +4, Str/Dex -1)
                  | [potion of mutation]
278138 | Zig:17   | Lost mutation: You possess an exceptional clarity of mind.
                  | [potion of mutation]
278138 | Zig:17   | Lost mutation: Your mind is acute. (Int +4, Str/Dex -1)
                  | [potion of mutation]
278138 | Zig:17   | Gained mutation: You have large cloven feet. [potion of
                  | mutation]
278138 | Zig:17   | Gained mutation: You are weak. (Str -2) [potion of
                  | mutation]
278139 | Zig:17   | Lost mutation: You have large cloven feet. [potion of
                  | mutation]
278139 | Zig:17   | Lost mutation: You are frail. (-10% HP) [potion of
                  | mutation]
278139 | Zig:17   | Lost mutation: You are weak. (Str -2) [potion of mutation]
278139 | Zig:17   | Gained mutation: Armour fits poorly on your strangely
                  | shaped body. [potion of mutation]
278139 | Zig:17   | Gained mutation: You have a beak for a mouth. [potion of
                  | mutation]
278139 | Zig:17   | Gained mutation: You expend magic power (3 MP) to
                  | strengthen your wands. [potion of mutation]
278140 | Zig:17   | Lost mutation: Armour fits poorly on your strangely shaped
                  | body. [potion of mutation]
278140 | Zig:17   | Lost mutation: You have a beak for a mouth. [potion of
                  | mutation]
278140 | Zig:17   | Gained mutation: You are partially covered in iridescent
                  | scales. (AC +2) [potion of mutation]
278140 | Zig:17   | Gained mutation: Your flesh is cold resistant. (rC+)
                  | [potion of mutation]
278140 | Zig:17   | Gained mutation: Your muscles are strong. (Str +4, Int/Dex
                  | -1) [potion of mutation]
278152 | Zig:17   | Learned a level 8 spell: Summon Horrible Things
278159 | Zig:17   | Learned a level 6 spell: Death Channel
278164 | Zig:17   | Identified the +3 flail of Uwoum {freeze, Fragile rC+ rCorr
                  | Dex+5}
278224 | Zig:17   | Identified the staff of conjuration "Bifaptig" {Str-5 Int+4
                  | Dex+2}
278231 | Zig:18   | Entered Level 18 of a ziggurat
278231 | Zig:18   | Noticed a royal mummy
278231 | Zig:18   | Noticed a royal mummy
278231 | Zig:18   | Noticed a royal mummy
278231 | Zig:18   | Noticed a royal mummy
278231 | Zig:18   | Noticed a royal mummy
278231 | Zig:18   | Noticed a royal mummy
278231 | Zig:18   | Noticed a royal mummy
278231 | Zig:18   | Noticed a royal mummy
278231 | Zig:18   | Noticed a royal mummy
278231 | Zig:18   | Noticed a royal mummy
278231 | Zig:18   | Noticed a royal mummy
278231 | Zig:18   | Noticed a royal mummy
278234 | Zig:18   | Noticed a royal mummy
278234 | Zig:18   | Noticed a royal mummy
278237 | Zig:18   | Killed a royal mummy
278237 | Zig:18   | HP: 1/197 [something (17)]
278239 | Zig:18   | Noticed a royal mummy
278239 | Zig:18   | Noticed a royal mummy
278239 | Zig:18   | Noticed a royal mummy
278241 | Zig:18   | Killed by a mummy priest's death curse (19 damage)
278241 | Zig:18   | Noticed a royal mummy
278241 | Zig:18   | Killed a royal mummy
278242 | Zig:18   | Noticed a royal mummy
278242 | Zig:18   | Killed a royal mummy
278242 | Zig:18   | Killed a royal mummy
278243 | Zig:18   | Killed a royal mummy
278243 | Zig:18   | Noticed a royal mummy
278243 | Zig:18   | Killed a royal mummy
278244 | Zig:18   | Killed a royal mummy
278244 | Zig:18   | HP: 4/199 [something (25)]
278244 | Zig:18   | Noticed a royal mummy
278244 | Zig:18   | Killed by divine providence
                  | ... invoked by a mummy priest
                  | (13 damage)
278245 | Zig:18   | Killed a royal mummy
278248 | Zig:18   | Killed by divine providence
                  | ... invoked by a royal mummy
                  | (12 damage)
278250 | Zig:18   | Killed a royal mummy
278250 | Zig:18   | Killed a royal mummy
278250 | Zig:18   | Noticed a royal mummy
278252 | Zig:18   | Killed a royal mummy
278253 | Zig:18   | Killed a royal mummy
278255 | Zig:18   | Killed a royal mummy
278255 | Zig:18   | HP: 8/199 [royal mummy/divine providence (10)]
278255 | Zig:18   | Killed by divine providence
                  | ... invoked by a mummy priest
                  | (12 damage)
278256 | Zig:18   | Noticed a royal mummy
278260 | Zig:18   | Killed a royal mummy
278263 | Zig:18   | HP: 1/199 [mummy priest/divine providence (10)]
278263 | Zig:18   | Killed by divine providence
                  | ... invoked by a mummy priest
                  | (12 damage)
278264 | Zig:18   | Killed a royal mummy
278268 | Zig:18   | Noticed a royal mummy
278268 | Zig:18   | Noticed a royal mummy
278269 | Zig:18   | Killed a royal mummy
278269 | Zig:18   | Killed by a royal mummy's death curse (33 damage)
278269 | Zig:18   | Noticed a royal mummy
278269 | Zig:18   | Noticed a royal mummy
278270 | Zig:18   | Noticed a royal mummy
278273 | Zig:18   | Killed a royal mummy
278275 | Zig:18   | Killed a royal mummy
278276 | Zig:18   | HP: 1/199 [royal mummy/divine providence (13)]
278276 | Zig:18   | Killed by divine providence
                  | ... invoked by a royal mummy
                  | (14 damage)
278276 | Zig:18   | Killed a royal mummy
278277 | Zig:18   | Killed a royal mummy
278277 | Zig:18   | Killed a royal mummy
278278 | Zig:18   | Killed a royal mummy
278278 | Zig:18   | Killed a royal mummy
278279 | Zig:18   | Noticed a royal mummy
278279 | Zig:18   | Killed a royal mummy
278280 | Zig:18   | Noticed a royal mummy
278280 | Zig:18   | Mangled by an emperor scorpion (9 damage)
                  | ... summoned by a royal mummy
278281 | Zig:18   | Killed a royal mummy
278283 | Zig:18   | Killed a royal mummy
278284 | Zig:18   | Killed a royal mummy
278285 | Zig:18   | Killed a royal mummy
278286 | Zig:18   | Noticed a royal mummy
278289 | Zig:18   | Killed a royal mummy
278290 | Zig:18   | HP: 7/199 [mummy priest/divine providence (10)]
278292 | Zig:18   | Killed a royal mummy
278292 | Zig:18   | Killed by a guardian mummy's death curse (13 damage)
278300 | Zig:18   | Noticed a royal mummy
278301 | Zig:18   | Killed a royal mummy
278320 | Zig:18   | Killed a royal mummy
278493 | Zig:18   | Identified the amulet of Zoafecse {Reflect rPois SH+5 SInv}
278496 | Zig:18   | Identified the +0 robe of Past Mistakes {*Corrode rPois
                  | Dex+6 Stlth+}
278499 | Zig:18   | Identified the +2 quarterstaff of the Vaults {speed, rElec
                  | Will+ Str+3}
278500 | Zig:18   | Identified the +0 cloak "Awaaz" {rF+++ Will- Str+3 Dex-5}
278532 | Zig:18   | Identified the ring of the Spinneret {Contam rC+ Dex+5
                  | SInv}
278540 | Zig:18   | Identified the +4 shortbow of Xug Wea {elec, +Blink Str+5}
278543 | Zig:18   | Identified the ring "Kasuf" {rF++ EV+5 Dex+4}
278597 | Zig:19   | Entered Level 19 of a ziggurat
278597 | Zig:19   | Noticed a juggernaut
278597 | Zig:19   | Noticed a juggernaut
278597 | Zig:19   | Noticed a juggernaut
278597 | Zig:19   | Noticed a juggernaut
278597 | Zig:19   | Noticed a juggernaut
278597 | Zig:19   | Noticed a juggernaut
278598 | Zig:19   | Noticed a juggernaut
278600 | Zig:19   | Killed a juggernaut
278601 | Zig:19   | Noticed a juggernaut
278601 | Zig:19   | Noticed a juggernaut
278602 | Zig:19   | Noticed a juggernaut
278602 | Zig:19   | Noticed a juggernaut
278603 | Zig:19   | Noticed a juggernaut
278603 | Zig:19   | Noticed a juggernaut
278607 | Zig:19   | Noticed a juggernaut
278610 | Zig:19   | Killed a juggernaut
278611 | Zig:19   | Noticed a juggernaut
278612 | Zig:19   | Killed a juggernaut
278614 | Zig:19   | HP: 2/199 [juggernaut (9)]
278614 | Zig:19   | Killed by divine providence
                  | ... invoked by an orc high priest
                  | (7 damage)
278614 | Zig:19   | Killed a juggernaut
278615 | Zig:19   | Killed a juggernaut
278615 | Zig:19   | Killed a juggernaut
278617 | Zig:19   | Killed a juggernaut
278619 | Zig:19   | Noticed a juggernaut
278620 | Zig:19   | Killed a juggernaut
278621 | Zig:19   | Noticed a juggernaut
278621 | Zig:19   | Killed a juggernaut
278622 | Zig:19   | Killed a juggernaut
278624 | Zig:19   | Killed a juggernaut
278624 | Zig:19   | Slain by a juggernaut (30 damage)
278626 | Zig:19   | Killed a juggernaut
278627 | Zig:19   | Killed a juggernaut
278631 | Zig:19   | Slain by a juggernaut (17 damage)
278635 | Zig:19   | Noticed a juggernaut
278639 | Zig:19   | Killed a juggernaut
278639 | Zig:19   | Killed a juggernaut
278645 | Zig:19   | Noticed a juggernaut
278647 | Zig:19   | Noticed a juggernaut
278647 | Zig:19   | Noticed a juggernaut
278650 | Zig:19   | Noticed a juggernaut
278650 | Zig:19   | Killed a juggernaut
278654 | Zig:19   | Killed by divine providence
                  | ... invoked by an orc high priest
                  | (14 damage)
278661 | Zig:19   | Killed a juggernaut
278664 | Zig:19   | Killed a juggernaut
278666 | Zig:19   | Killed a juggernaut
278669 | Zig:19   | Killed a juggernaut
278671 | Zig:19   | Killed a juggernaut
278688 | Zig:19   | Killed a juggernaut
279050 | Zig:20   | Entered Level 20 of a ziggurat
279296 | Zig:20   | Identified the +4 long sword of Fyxigal {vamp, Dex+5}
279305 | Zig:20   | Identified the +9 glaive of Bodily Humours {freeze, Fly
                  | Str+3}
279319 | Zig:20   | Identified the amulet "Nuxzoheso" {Spirit Will+}
279326 | Zig:20   | Identified the +1 battleaxe "Joaddog" {elec, rPois}
279329 | Zig:20   | Identified the staff of death "Walla Laiggu" {rN+ Int+7
                  | SInv}
279334 | Zig:20   | Identified the ring "Huplanoyvu" {Wiz Int+5}
279346 | Zig:20   | Identified the ring of Voysoj {rC- Will+ Str+6 Int+7}
279349 | Zig:20   | Identified the staff of earth "Kosmalovia" {Str+6 Int+2}
279365 | Zig:21   | Entered Level 21 of a ziggurat
279378 | Zig:21   | HP: 6/199 [white draconian stormcaller/+1 dagger of
                  | draining (8)]
279381 | Zig:21   | Killed by divine providence
                  | ... invoked by a white draconian stormcaller
                  | (11 damage)
279411 | Zig:21   | Killed by divine providence
                  | ... invoked by a white draconian stormcaller
                  | (13 damage)
279441 | Zig:21   | HP: 6/199 [purple draconian/bolt of dispelling energy (38)]
279441 | Zig:21   | Killed from afar by a purple draconian shifter (6 damage)
                  | ... with a bolt of dispelling energy
279461 | Zig:21   | Identified the +2 pair of gloves "Sebloici" {Drain rPois
                  | Int+6}
279469 | Zig:21   | Identified the amulet of Descent {Acrobat rElec Int-3
                  | Dex+3}
279545 | Zig:21   | Identified the +0 leather armour "Pucoebup" {rPois rC+ rN+}
279557 | Zig:21   | Identified the ring "Momoas" {Drain rPois Str+6 Dex+6
                  | Stlth+}
279563 | Zig:21   | Identified the +0 hand axe of Cobwebs {freeze, rCorr Str+3
                  | Stlth+}
279575 | Zig:21   | Identified the +4 great sword of the Morning {drain, Int+2}
279596 | Zig:21   | Identified the +11 shortbow "Hav Cuw" {elec, Str+3}
279618 | Zig:21   | Identified the +3 leather armour of Qipnum {rN+ Will+++
                  | Str+3 Dex-2}
279641 | Zig:21   | Identified the +11 rapier of Action {vamp, rPois rN+ Str-3
                  | Dex+2}
279642 | Zig:21   | Identified the +0 ring mail "Ygeeph" {Harm MP+9 Dex-5}
279706 | Zig:21   | Identified the amulet of Punoom {Harm rPois rC+ rN++
                  | Regen+}
279725 | Zig:21   | Acquired 1217 gold pieces
279727 | Zig:21   | Upgraded the game from 0.30-a0-1163-gf69bf04e7a to
                  | 0.31-a0-1-g4198be8af4
279728 | Zig:22   | Entered Level 22 of a ziggurat
280408 | Zig:22   | Identified the +0 robe of the Tarantula {rC+ rCorr}
280409 | Zig:22   | Identified the +4 long sword of Departure {spect, rC+}
280426 | Zig:22   | Identified the ring "Iteegatulu" {rF+ Dex+3}
280449 | Zig:22   | Identified the +12 short sword of Ashrio {venom, +Blink
                  | rN+++ Int-5 SInv}
280451 | Zig:22   | Identified the +10 flail of Dicla {protect, SInv}
280499 | Zig:23   | Entered Level 23 of a ziggurat
280508 | Zig:23   | Killed from afar by a Hell Sentinel (20 damage)
                  | ... with an iron shot
280533 | Zig:23   | Slain by a Hell Sentinel (19 damage)
280550 | Zig:23   | HP: 6/199 [Hell Sentinel (8)]
280552 | Zig:23   | Demolished by a Hell Sentinel (28 damage)
280553 | Zig:23   | Noticed Lirghywikh the pandemonium lord
280564 | Zig:23   | Killed Lirghywikh the pandemonium lord
280567 | Zig:23   | Killed by an exploding demonspawn warmonger (48 damage)
                  | ... ignited by their inner flame
280577 | Zig:23   | HP: 8/199 [something (8)]
280578 | Zig:23   | Killed by divine providence
                  | ... invoked by a balrug
                  | (10 damage)
280599 | Zig:23   | Killed from afar by a Hell Sentinel (22 damage)
                  | ... with damnation
280611 | Zig:23   | Gained mutation: Your magical capacity is low. (-10% MP) [a
                  | cacodemon]
280971 | Zig:23   | Identified the +0 leather armour of Sinikodo {Fly rF+ rN++
                  | Slay-2}
280977 | Zig:23   | Identified the +8 triple sword "Fucew" {spect, rC+ rN+
                  | Dex+2 SInv}
280984 | Zig:23   | Identified the ring of Rechu {Int+6 Slay+3}
280998 | Zig:23   | Identified the staff of poison "Gefeirize" {+Blink rPois
                  | rN++ Str+3 Dex-3}
280999 | Zig:23   | Identified the +3 scale mail "Saivist" {Will+}
281005 | Zig:23   | Identified the +9 mace of Qazlal's Condemnation {vamp,
                  | +Blink rC+}
281079 | Zig:24   | Entered Level 24 of a ziggurat
281102 | Zig:24   | Paralysed by a floating eye for 3 turns
281109 | Zig:24   | Demolished by a rockslime (32 damage)
281128 | Zig:24   | Paralysed by a floating eye for 4 turns
281143 | Zig:24   | Gained mutation: You occasionally shout uncontrollably at
                  | your foes. [a shining eye]
281521 | Zig:24   | Identified the +4 dagger "Ykkolim" {protect, rElec rPois
                  | Str-3 Dex-5}
281530 | Zig:24   | Identified the +5 battleaxe "Beast's Doom" {drain, rC+
                  | Int+2 Dex+3}
281539 | Zig:24   | Identified the staff of death "Byduuw" {rElec rC+ rN+ SInv}
281553 | Zig:25   | Entered Level 25 of a ziggurat
281553 | Zig:25   | Noticed a juggernaut
281553 | Zig:25   | Noticed a juggernaut
281553 | Zig:25   | Noticed a juggernaut
281553 | Zig:25   | Noticed a juggernaut
281553 | Zig:25   | Noticed a juggernaut
281553 | Zig:25   | Noticed a juggernaut
281553 | Zig:25   | Noticed a juggernaut
281553 | Zig:25   | Noticed a juggernaut
281554 | Zig:25   | Noticed a juggernaut
281554 | Zig:25   | Noticed a juggernaut
281555 | Zig:25   | Noticed a juggernaut
281560 | Zig:25   | Noticed a juggernaut
281561 | Zig:25   | Killed a juggernaut
281562 | Zig:25   | Killed a juggernaut
281563 | Zig:25   | Noticed a juggernaut
281563 | Zig:25   | Killed a juggernaut
281563 | Zig:25   | Killed a juggernaut
281563 | Zig:25   | Killed a juggernaut
281564 | Zig:25   | Noticed a juggernaut
281565 | Zig:25   | Noticed a juggernaut
281565 | Zig:25   | Killed a juggernaut
281566 | Zig:25   | Noticed a juggernaut
281567 | Zig:25   | Noticed a juggernaut
281567 | Zig:25   | Killed a juggernaut
281570 | Zig:25   | Noticed a juggernaut
281570 | Zig:25   | Noticed a juggernaut
281576 | Zig:25   | Noticed a juggernaut
281576 | Zig:25   | Noticed a juggernaut
281576 | Zig:25   | Killed a juggernaut
281576 | Zig:25   | Killed a juggernaut
281577 | Zig:25   | Noticed a juggernaut
281577 | Zig:25   | Noticed a juggernaut
281577 | Zig:25   | Noticed a juggernaut
281577 | Zig:25   | Noticed a juggernaut
281578 | Zig:25   | Noticed a juggernaut
281578 | Zig:25   | Killed a juggernaut
281579 | Zig:25   | Killed a juggernaut
281580 | Zig:25   | Killed a juggernaut
281580 | Zig:25   | Killed a juggernaut
281582 | Zig:25   | Killed a juggernaut
281582 | Zig:25   | Killed a juggernaut
281583 | Zig:25   | Noticed a juggernaut
281583 | Zig:25   | Noticed a juggernaut
281585 | Zig:25   | Noticed a juggernaut
281585 | Zig:25   | Noticed a juggernaut
281585 | Zig:25   | Killed a juggernaut
281587 | Zig:25   | Noticed a juggernaut
281587 | Zig:25   | Noticed a juggernaut
281588 | Zig:25   | Noticed a juggernaut
281589 | Zig:25   | Noticed a juggernaut
281591 | Zig:25   | Killed a juggernaut
281591 | Zig:25   | Killed a juggernaut
281591 | Zig:25   | Noticed a juggernaut
281592 | Zig:25   | Noticed a juggernaut
281593 | Zig:25   | Noticed a juggernaut
281593 | Zig:25   | Noticed a juggernaut
281595 | Zig:25   | HP: 3/199 [juggernaut (14)]
281596 | Zig:25   | Noticed a juggernaut
281597 | Zig:25   | Killed by divine providence
                  | ... invoked by an orc high priest
                  | (10 damage)
281597 | Zig:25   | Noticed a juggernaut
281600 | Zig:25   | Noticed a juggernaut
281602 | Zig:25   | Noticed a juggernaut
281603 | Zig:25   | Noticed a juggernaut
281606 | Zig:25   | Noticed a juggernaut
281607 | Zig:25   | Noticed a juggernaut
281607 | Zig:25   | Noticed a juggernaut
281611 | Zig:25   | HP: 7/199 [orc high priest/divine providence (11)]
281612 | Zig:25   | Killed a juggernaut
281612 | Zig:25   | Killed a juggernaut
281612 | Zig:25   | Killed a juggernaut
281612 | Zig:25   | Killed a juggernaut
281612 | Zig:25   | Killed a juggernaut
281612 | Zig:25   | Killed a juggernaut
281612 | Zig:25   | Killed a juggernaut
281615 | Zig:25   | Noticed a juggernaut
281615 | Zig:25   | Demolished by a juggernaut (28 damage)
281616 | Zig:25   | Noticed a juggernaut
281617 | Zig:25   | Killed a juggernaut
281618 | Zig:25   | Noticed a juggernaut
281619 | Zig:25   | Killed a juggernaut
281619 | Zig:25   | Noticed a juggernaut
281620 | Zig:25   | Noticed a juggernaut
281621 | Zig:25   | Noticed a juggernaut
281621 | Zig:25   | Killed a juggernaut
281623 | Zig:25   | Killed a juggernaut
281624 | Zig:25   | Noticed a juggernaut
281626 | Zig:25   | Noticed a juggernaut
281626 | Zig:25   | Killed a juggernaut
281626 | Zig:25   | Killed a juggernaut
281629 | Zig:25   | Noticed a juggernaut
281631 | Zig:25   | Killed a juggernaut
281632 | Zig:25   | Killed a juggernaut
281632 | Zig:25   | Killed a juggernaut
281633 | Zig:25   | Killed a juggernaut
281633 | Zig:25   | Killed a juggernaut
281633 | Zig:25   | Annihilated by a juggernaut (36 damage)
281634 | Zig:25   | Killed a juggernaut
281634 | Zig:25   | Killed a juggernaut
281635 | Zig:25   | Killed a juggernaut
281635 | Zig:25   | Killed a juggernaut
281635 | Zig:25   | Killed a juggernaut
281635 | Zig:25   | Killed a juggernaut
281635 | Zig:25   | Killed a juggernaut
281635 | Zig:25   | Killed a juggernaut
281636 | Zig:25   | Killed a juggernaut
281636 | Zig:25   | Killed a juggernaut
281636 | Zig:25   | Killed a juggernaut
281636 | Zig:25   | Killed a juggernaut
281636 | Zig:25   | Noticed a juggernaut
281637 | Zig:25   | Killed a juggernaut
281637 | Zig:25   | Killed a juggernaut
281638 | Zig:25   | Killed a juggernaut
281638 | Zig:25   | Killed a juggernaut
281639 | Zig:25   | Killed a juggernaut
281640 | Zig:25   | Killed a juggernaut
281642 | Zig:25   | Killed a juggernaut
281644 | Zig:25   | Noticed a juggernaut
281650 | Zig:25   | Noticed a juggernaut
281654 | Zig:25   | Killed a juggernaut
281655 | Zig:25   | Noticed a juggernaut
281659 | Zig:25   | Killed a juggernaut
281662 | Zig:25   | Killed a juggernaut
281667 | Zig:25   | Killed a juggernaut
281911 | Zig:25   | Identified the +4 plate armour of Inference {rN+ rCorr
                  | Stlth-}
281921 | Zig:25   | Identified the +1 scale mail of the Ten Portals {+Blink
                  | Will- Regen+ Str+3}
281935 | Zig:25   | Identified the +6 halberd of Truncation {speed, Str+6}
281975 | Zig:26   | Entered Level 26 of a ziggurat
281990 | Zig:26   | HP: 3/199 [bone dragon (11)]
281990 | Zig:26   | Mangled by a bone dragon (9 damage)
282001 | Zig:26   | Mangled by a bone dragon (16 damage)
282050 | Zig:26   | Mangled by a spectral juggernaut (30 damage)
282089 | Zig:26   | HP: 9/199 [??? (1)]
282094 | Zig:26   | HP: 8/199 [??? (1)]
282098 | Zig:26   | Slain by a bone dragon (11 damage)
282131 | Zig:26   | HP: 8/199 [hellion/damnation (19)]
282162 | Zig:26   | Hit by a large rock thrown by a tainted leviathan (20
                  | damage)
282230 | Zig:26   | HP: 6/199 [putrid mouth (9)]
282234 | Zig:26   | Slain by a reaper
                  | ... wielding a +0 scythe of venom
                  | (12 damage)
282332 | Zig:26   | Slain by a tainted leviathan (15 damage)
282432 | Zig:26   | Slain by a reaper
                  | ... wielding a +0 heavy scythe
                  | ... summoned by a shadow demon
                  | (16 damage)
282454 | Zig:26   | HP: 9/199 [tainted leviathan[a shadow demon] (6)]
282459 | Zig:26   | HP: 6/199 [reaper/+0 heavy scythe[a shadow demon] (4)]
282461 | Zig:26   | Slain by a tainted leviathan (7 damage)
                  | ... summoned by a shadow demon
282491 | Zig:26   | HP: 5/199 [putrid mouth (10)]
282492 | Zig:26   | Slain by a bone dragon (10 damage)
                  | ... summoned by a shadow demon
282518 | Zig:26   | HP: 8/199 [reaper/+4 scythe of freezing (3)]
282523 | Zig:26   | HP: 5/199 [tainted leviathan (5)]
282526 | Zig:26   | Demolished by a reaper
                  | ... wielding a +4 scythe of freezing
                  | (22 damage)
282537 | Zig:26   | HP: 7/199 [tainted leviathan (3)]
282543 | Zig:26   | HP: 2/199 [tainted leviathan (7)]
282543 | Zig:26   | Mangled by a putrid mouth (12 damage)
                  | ... summoned by a shadow demon
282588 | Zig:26   | HP: 4/199 [reaper/+4 scythe of freezing (17)]
282588 | Zig:26   | Demolished by a reaper
                  | ... wielding a +1 scythe of venom
                  | (20 damage)
282983 | Zig:26   | Identified the amulet of Traps {Spirit *Corrode Str+3
                  | Dex+4}
282994 | Zig:26   | Identified the +9 crystal plate armour of the Buccaneer
                  | {rCorr SInv}
283004 | Zig:26   | Identified the +9 dagger of the Quick God {venom, rElec
                  | Int+3 Dex+4}
283009 | Zig:26   | Identified the ring "Dakamittu" {Drain rF+ rCorr Str+6
                  | Stlth+}
283011 | Zig:26   | Acquired the +16 crystal plate armour of the Damp God
                  | {Will+ MP+9}
283030 | Zig:26   | Identified the +12 shortbow of Tenacity {flame, rPois Str-3
                  | Int+6}
283031 | Zig:26   | Identified the ring "Fovie" {rF+ rCorr}
283088 | Zig:27   | Entered Level 27 of a ziggurat
283088 | Zig:27   | Noticed Naedech the pandemonium lord
283088 | Zig:27   | Noticed Ohoaf the pandemonium lord
283088 | Zig:27   | Noticed Wauvyl the pandemonium lord
283088 | Zig:27   | Noticed Qawnuola the pandemonium lord
283088 | Zig:27   | Noticed Mokyheca the pandemonium lord
283088 | Zig:27   | Noticed Xissadei the pandemonium lord
283088 | Zig:27   | Noticed Netoingio the pandemonium lord
283088 | Zig:27   | Noticed Gauj the pandemonium lord
283088 | Zig:27   | Noticed Ebist the pandemonium lord
283088 | Zig:27   | Noticed Pyuxtoly the pandemonium lord
283088 | Zig:27   | Noticed Tiafoets the pandemonium lord
283088 | Zig:27   | Noticed Taazun the pandemonium lord
283088 | Zig:27   | Noticed Foquruyh the pandemonium lord
283088 | Zig:27   | Noticed Pistedwu the pandemonium lord
283088 | Zig:27   | Noticed Umidgheg the pandemonium lord
283088 | Zig:27   | Noticed Poevyet the pandemonium lord
283088 | Zig:27   | Noticed Sury the pandemonium lord
283088 | Zig:27   | Noticed Ewo Ofoa the pandemonium lord
283088 | Zig:27   | Noticed Boad the pandemonium lord
283088 | Zig:27   | Noticed Naecwolipa the pandemonium lord
283088 | Zig:27   | Noticed Ziugurr the pandemonium lord
283088 | Zig:27   | Noticed Jepat the pandemonium lord
283088 | Zig:27   | Noticed Edeviwkoahe the pandemonium lord
283088 | Zig:27   | Noticed Jesuifow the pandemonium lord
283088 | Zig:27   | Noticed Qommur the pandemonium lord
283088 | Zig:27   | Noticed Xun Jus the pandemonium lord
283088 | Zig:27   | Noticed Wuvvalan the pandemonium lord
283088 | Zig:27   | Noticed Ipelegg the pandemonium lord
283088 | Zig:27   | Noticed Ihid the pandemonium lord
283088 | Zig:27   | Noticed Liotim the pandemonium lord
283088 | Zig:27   | Noticed Loxzovyf the pandemonium lord
283088 | Zig:27   | Noticed Ganerroscha the pandemonium lord
283088 | Zig:27   | Noticed Deigh the pandemonium lord
283088 | Zig:27   | Noticed Hosmohi the pandemonium lord
283088 | Zig:27   | Noticed Xoryich the pandemonium lord
283088 | Zig:27   | Noticed Zexar Xisoff the pandemonium lord
283088 | Zig:27   | Noticed Siodejixt the pandemonium lord
283089 | Zig:27   | Noticed Achutun the pandemonium lord
283089 | Zig:27   | Noticed Wounuryr the pandemonium lord
283089 | Zig:27   | Noticed Weischiyf the pandemonium lord
283089 | Zig:27   | Noticed Giazam Zain the pandemonium lord
283090 | Zig:27   | Noticed Toesk the pandemonium lord
283091 | Zig:27   | Noticed Joutzeso the pandemonium lord
283092 | Zig:27   | Killed Siodejixt the pandemonium lord
283093 | Zig:27   | Noticed Seziun the pandemonium lord
283093 | Zig:27   | Killed Poevyet the pandemonium lord
283093 | Zig:27   | Noticed Fonuutar the pandemonium lord
283093 | Zig:27   | Noticed Zucod the pandemonium lord
283093 | Zig:27   | Noticed Idatygh the pandemonium lord
283093 | Zig:27   | Killed Xoryich the pandemonium lord
283093 | Zig:27   | Killed Xun Jus the pandemonium lord
283094 | Zig:27   | Killed Pyuxtoly the pandemonium lord
283094 | Zig:27   | Killed Jepat the pandemonium lord
283094 | Zig:27   | Noticed Xongop the pandemonium lord
283094 | Zig:27   | Killed Ebist the pandemonium lord
283094 | Zig:27   | Noticed Ulea the pandemonium lord
283094 | Zig:27   | Killed Pistedwu the pandemonium lord
283094 | Zig:27   | Killed Naecwolipa the pandemonium lord
283094 | Zig:27   | Noticed Otwen the pandemonium lord
283095 | Zig:27   | Killed Liotim the pandemonium lord
283095 | Zig:27   | Killed Zexar Xisoff the pandemonium lord
283095 | Zig:27   | Killed Xissadei the pandemonium lord
283095 | Zig:27   | Killed Ihid the pandemonium lord
283096 | Zig:27   | Killed Naedech the pandemonium lord
283096 | Zig:27   | Killed Ohoaf the pandemonium lord
283096 | Zig:27   | Killed Boad the pandemonium lord
283096 | Zig:27   | Killed Qommur the pandemonium lord
283096 | Zig:27   | Killed Ipelegg the pandemonium lord
283096 | Zig:27   | Killed Loxzovyf the pandemonium lord
283096 | Zig:27   | Killed Deigh the pandemonium lord
283096 | Zig:27   | Noticed Xiprecw the pandemonium lord
283096 | Zig:27   | Noticed Zereom the pandemonium lord
283096 | Zig:27   | Noticed Ukhlom the pandemonium lord
283096 | Zig:27   | Noticed Yrenuid the pandemonium lord
283097 | Zig:27   | Noticed Recadiunkyu the pandemonium lord
283098 | Zig:27   | Killed Wuvvalan the pandemonium lord
283098 | Zig:27   | Noticed Athruaq the pandemonium lord
283099 | Zig:27   | Noticed Cidejor the pandemonium lord
283099 | Zig:27   | Killed Ganerroscha the pandemonium lord
283099 | Zig:27   | Killed Netoingio the pandemonium lord
283099 | Zig:27   | Noticed Zetarut the pandemonium lord
283100 | Zig:27   | Noticed Rawa the pandemonium lord
283100 | Zig:27   | Killed Gauj the pandemonium lord
283100 | Zig:27   | Killed Foquruyh the pandemonium lord
283102 | Zig:27   | Killed Jesuifow the pandemonium lord
283102 | Zig:27   | Killed Giazam Zain the pandemonium lord
283103 | Zig:27   | Noticed Fayk the pandemonium lord
283103 | Zig:27   | Killed Ziugurr the pandemonium lord
283103 | Zig:27   | Noticed Zaroejina the pandemonium lord
283105 | Zig:27   | Killed Toesk the pandemonium lord
283105 | Zig:27   | Noticed Bywnanod the pandemonium lord
283106 | Zig:27   | Killed Ewo Ofoa the pandemonium lord
283106 | Zig:27   | Killed Qawnuola the pandemonium lord
283106 | Zig:27   | Killed Rawa the pandemonium lord
283106 | Zig:27   | Killed Wounuryr the pandemonium lord
283106 | Zig:27   | Killed Zucod the pandemonium lord
283106 | Zig:27   | Noticed Pulic the pandemonium lord
283107 | Zig:27   | Killed Seziun the pandemonium lord
283107 | Zig:27   | Killed Weischiyf the pandemonium lord
283107 | Zig:27   | Killed Mokyheca the pandemonium lord
283107 | Zig:27   | Killed Joutzeso the pandemonium lord
283108 | Zig:27   | Killed Wauvyl the pandemonium lord
283108 | Zig:27   | Killed Taazun the pandemonium lord
283109 | Zig:27   | Killed Xiprecw the pandemonium lord
283109 | Zig:27   | Killed Fonuutar the pandemonium lord
283109 | Zig:27   | Killed Zereom the pandemonium lord
283109 | Zig:27   | Killed Otwen the pandemonium lord
283109 | Zig:27   | Killed Ukhlom the pandemonium lord
283109 | Zig:27   | Killed Recadiunkyu the pandemonium lord
283109 | Zig:27   | Killed Umidgheg the pandemonium lord
283109 | Zig:27   | Killed Edeviwkoahe the pandemonium lord
283109 | Zig:27   | Noticed Ceajam the pandemonium lord
283109 | Zig:27   | Killed Xongop the pandemonium lord
283110 | Zig:27   | Killed Pulic the pandemonium lord
283110 | Zig:27   | Killed Fayk the pandemonium lord
283110 | Zig:27   | Killed Sury the pandemonium lord
283111 | Zig:27   | Killed Ulea the pandemonium lord
283111 | Zig:27   | Noticed Xehekh the pandemonium lord
283111 | Zig:27   | Noticed Ekkatiuq the pandemonium lord
283111 | Zig:27   | Noticed Ciggiaw the pandemonium lord
283111 | Zig:27   | Noticed Filleq the pandemonium lord
283114 | Zig:27   | Killed Cidejor the pandemonium lord
283114 | Zig:27   | Killed Zaroejina the pandemonium lord
283114 | Zig:27   | Killed Yrenuid the pandemonium lord
283115 | Zig:27   | Killed Tiafoets the pandemonium lord
283115 | Zig:27   | Noticed Vaskue the pandemonium lord
283115 | Zig:27   | Noticed Fiom the pandemonium lord
283115 | Zig:27   | Noticed Sink the pandemonium lord
283115 | Zig:27   | Noticed Ysaeskac the pandemonium lord
283115 | Zig:27   | Killed Achutun the pandemonium lord
283116 | Zig:27   | Killed Ciggiaw the pandemonium lord
283116 | Zig:27   | Killed Filleq the pandemonium lord
283116 | Zig:27   | Killed Xehekh the pandemonium lord
283116 | Zig:27   | Killed Ceajam the pandemonium lord
283116 | Zig:27   | Killed Bywnanod the pandemonium lord
283116 | Zig:27   | Noticed Sacal the pandemonium lord
283117 | Zig:27   | Killed Idatygh the pandemonium lord
283117 | Zig:27   | Noticed Vytuh the pandemonium lord
283118 | Zig:27   | Noticed Miwuc the pandemonium lord
283119 | Zig:27   | Killed Zetarut the pandemonium lord
283119 | Zig:27   | Noticed Zareuz the pandemonium lord
283119 | Zig:27   | Noticed Udgheujae the pandemonium lord
283119 | Zig:27   | Noticed Odapp the pandemonium lord
283119 | Zig:27   | Noticed Kim Nyrch the pandemonium lord
283119 | Zig:27   | Noticed Kaebb the pandemonium lord
283120 | Zig:27   | Noticed Hucsem the pandemonium lord
283120 | Zig:27   | Noticed Suih Osch the pandemonium lord
283120 | Zig:27   | Noticed Gesenayw the pandemonium lord
283121 | Zig:27   | Killed Fiom the pandemonium lord
283121 | Zig:27   | Noticed Naoloh the pandemonium lord
283121 | Zig:27   | Noticed Fycics the pandemonium lord
283121 | Abyss:5  | Cast into level 5 of the Abyss (Ekkatiuq)
283185 | Zig:27   | Escaped the Abyss
283185 | Zig:27   | Noticed Syck the pandemonium lord
283185 | Zig:27   | Noticed Cimmowa the pandemonium lord
283185 | Zig:27   | Noticed Ablug the pandemonium lord
283185 | Zig:27   | Noticed Boof the pandemonium lord
283185 | Zig:27   | Noticed Zasoc the pandemonium lord
283185 | Zig:27   | Noticed Xatha the pandemonium lord
283186 | Zig:27   | Noticed Witoudd the pandemonium lord
283186 | Zig:27   | Noticed Qosoicawn the pandemonium lord
283187 | Zig:27   | Noticed Osityiri the pandemonium lord
283188 | Zig:27   | Noticed Afuvoc the pandemonium lord
283188 | Zig:27   | Noticed Bimass the pandemonium lord
283188 | Zig:27   | Noticed Koklesod the pandemonium lord
283189 | Zig:27   | Killed Ekkatiuq the pandemonium lord
283189 | Zig:27   | Killed Hosmohi the pandemonium lord
283189 | Zig:27   | Noticed Nocw the pandemonium lord
283189 | Zig:27   | Noticed Vuzasm the pandemonium lord
283189 | Zig:27   | Noticed Kisiufosh the pandemonium lord
283190 | Zig:27   | Noticed Zogum the pandemonium lord
283190 | Zig:27   | Noticed Xiredul the pandemonium lord
283190 | Zig:27   | Killed Vaskue the pandemonium lord
283190 | Zig:27   | Killed Ysaeskac the pandemonium lord
283190 | Zig:27   | Killed Athruaq the pandemonium lord
283190 | Zig:27   | Killed Gesenayw the pandemonium lord
283190 | Zig:27   | Killed Zasoc the pandemonium lord
283190 | Zig:27   | Killed Naoloh the pandemonium lord
283190 | Zig:27   | Killed Boof the pandemonium lord
283191 | Zig:27   | Killed Xatha the pandemonium lord
283192 | Zig:27   | Killed Bimass the pandemonium lord
283195 | Zig:27   | Noticed Suzis the pandemonium lord
283195 | Zig:27   | Noticed Recsiny the pandemonium lord
283195 | Zig:27   | Noticed Qounimon the pandemonium lord
283195 | Zig:27   | Noticed Noazo Nughu the pandemonium lord
283195 | Zig:27   | Noticed Echat the pandemonium lord
283195 | Zig:27   | Noticed Pycu the pandemonium lord
283195 | Zig:27   | Noticed Daekiqou the pandemonium lord
283195 | Zig:27   | Noticed Teuj the pandemonium lord
283195 | Zig:27   | Noticed Selig the pandemonium lord
283195 | Zig:27   | Killed Kim Nyrch the pandemonium lord
283198 | Zig:27   | Noticed Xecruro the pandemonium lord
283198 | Zig:27   | Noticed Enutzomo the pandemonium lord
283198 | Zig:27   | Killed Afuvoc the pandemonium lord
283198 | Zig:27   | Killed Hucsem the pandemonium lord
283198 | Zig:27   | Killed Fycics the pandemonium lord
283198 | Zig:27   | Noticed Pish the pandemonium lord
283200 | Zig:27   | Killed Zareuz the pandemonium lord
283200 | Zig:27   | Killed Ablug the pandemonium lord
283200 | Zig:27   | Noticed Utiplewo the pandemonium lord
283201 | Zig:27   | Noticed Xetigug the pandemonium lord
283202 | Zig:27   | Killed Vuzasm the pandemonium lord
283203 | Zig:27   | Noticed Ogagirute the pandemonium lord
283203 | Zig:27   | Killed Udgheujae the pandemonium lord
283203 | Zig:27   | Killed Qounimon the pandemonium lord
283203 | Zig:27   | Noticed Ate Vexi the pandemonium lord
283203 | Zig:27   | Noticed Diokhlo the pandemonium lord
283204 | Zig:27   | Noticed Mypnec the pandemonium lord
283204 | Zig:27   | Killed Vytuh the pandemonium lord
283204 | Zig:27   | Killed Sacal the pandemonium lord
283204 | Zig:27   | Killed Witoudd the pandemonium lord
283204 | Zig:27   | Killed Echat the pandemonium lord
283204 | Zig:27   | Killed Odapp the pandemonium lord
283204 | Zig:27   | Killed Qosoicawn the pandemonium lord
283204 | Zig:27   | Noticed Distak the pandemonium lord
283205 | Zig:27   | Noticed Maikhefext the pandemonium lord
283206 | Zig:27   | Killed Zogum the pandemonium lord
283206 | Zig:27   | Killed Cimmowa the pandemonium lord
283207 | Zig:27   | Killed Osityiri the pandemonium lord
283207 | Zig:27   | Killed Koklesod the pandemonium lord
283208 | Zig:27   | Killed Sink the pandemonium lord
283208 | Zig:27   | Noticed Qoamm the pandemonium lord
283209 | Zig:27   | Noticed Zaskuserghor the pandemonium lord
283209 | Zig:27   | Noticed Bycsy the pandemonium lord
283211 | Zig:27   | Noticed Ucaig the pandemonium lord
283212 | Zig:27   | Noticed Buobyir the pandemonium lord
283214 | Zig:27   | Noticed Epuifup the pandemonium lord
283214 | Zig:27   | Noticed Aleini the pandemonium lord
283214 | Zig:27   | Noticed Wumnae Modi the pandemonium lord
283215 | Zig:27   | Killed Suih Osch the pandemonium lord
283217 | Zig:27   | Killed Pish the pandemonium lord
283218 | Zig:27   | Noticed Qetecima the pandemonium lord
283218 | Zig:27   | Noticed Qemi the pandemonium lord
283219 | Zig:27   | HP: 7/199 [Nocw the pandemonium lord/living lightning (16)]
283222 | Zig:27   | Killed Recsiny the pandemonium lord
283222 | Zig:27   | Engulfed by a cloud of flame (9 damage)
283224 | Zig:27   | Noticed Xelahesk the pandemonium lord
283229 | Zig:27   | Noticed Sokov the pandemonium lord
283235 | Zig:27   | Noticed Vocowa the pandemonium lord
283236 | Zig:27   | Killed Suzis the pandemonium lord
283237 | Zig:27   | Killed Noazo Nughu the pandemonium lord
283238 | Zig:27   | Killed Pycu the pandemonium lord
283238 | Zig:27   | Killed Qoamm the pandemonium lord
283239 | Zig:27   | Noticed Imotep the pandemonium lord
283239 | Zig:27   | Noticed Racuah Kiach the pandemonium lord
283239 | Zig:27   | Noticed Houren the pandemonium lord
283239 | Zig:27   | Noticed Xyituce the pandemonium lord
283239 | Zig:27   | Noticed Tekhli Osoen the pandemonium lord
283239 | Zig:27   | Noticed Adacyeh the pandemonium lord
283239 | Zig:27   | Noticed Qorgh the pandemonium lord
283239 | Zig:27   | Noticed Wioteiqary the pandemonium lord
283239 | Zig:27   | Noticed Xistivoewn the pandemonium lord
283239 | Zig:27   | Noticed Mabenki the pandemonium lord
283239 | Zig:27   | Noticed Ynkehox the pandemonium lord
283240 | Zig:27   | Killed Daekiqou the pandemonium lord
283240 | Zig:27   | Noticed Pafug the pandemonium lord
283240 | Zig:27   | Noticed Sorerehi the pandemonium lord
283241 | Zig:27   | Noticed Ityesodo the pandemonium lord
283241 | Zig:27   | Noticed Jiveck the pandemonium lord
283243 | Zig:27   | Killed Syck the pandemonium lord
283246 | Zig:27   | Noticed Jufogul the pandemonium lord
283246 | Zig:27   | Noticed Nadusi Picirch the pandemonium lord
283247 | Zig:27   | Killed Aleini the pandemonium lord
283247 | Zig:27   | Killed Teuj the pandemonium lord
283248 | Zig:27   | Noticed Raxt the pandemonium lord
283249 | Zig:27   | Killed Xecruro the pandemonium lord
283250 | Zig:27   | Killed Wumnae Modi the pandemonium lord
283250 | Zig:27   | Noticed Guerphox the pandemonium lord
283251 | Zig:27   | Noticed Reamosm the pandemonium lord
283252 | Zig:27   | Killed Buobyir the pandemonium lord
283252 | Zig:27   | Noticed Fifibeb the pandemonium lord
283252 | Zig:27   | Slain by Imotep the pandemonium lord (15 damage)
283253 | Zig:27   | Killed Ityesodo the pandemonium lord
283253 | Zig:27   | Killed Pafug the pandemonium lord
283256 | Zig:27   | Killed Kaebb the pandemonium lord
283258 | Zig:27   | Killed Xiredul the pandemonium lord
283258 | Zig:27   | Noticed Nuidwob the pandemonium lord
283259 | Zig:27   | Noticed Sivey the pandemonium lord
283263 | Zig:27   | Killed Mypnec the pandemonium lord
283264 | Zig:27   | Killed Raxt the pandemonium lord
283264 | Zig:27   | Killed Distak the pandemonium lord
283264 | Zig:27   | Killed Diokhlo the pandemonium lord
283264 | Zig:27   | Noticed Puwaeck the pandemonium lord
283266 | Zig:27   | Killed Mabenki the pandemonium lord
283266 | Zig:27   | Killed Xetigug the pandemonium lord
283266 | Zig:27   | Killed Epuifup the pandemonium lord
283268 | Zig:27   | Killed Nocw the pandemonium lord
283268 | Zig:27   | Killed Bycsy the pandemonium lord
283269 | Zig:27   | Killed Sorerehi the pandemonium lord
283272 | Zig:27   | Noticed Wiarac the pandemonium lord
283273 | Zig:27   | Killed Vocowa the pandemonium lord
283273 | Zig:27   | Killed Fifibeb the pandemonium lord
283273 | Zig:27   | Killed Sivey the pandemonium lord
283274 | Zig:27   | Killed Nadusi Picirch the pandemonium lord
283274 | Zig:27   | Killed Miwuc the pandemonium lord
283275 | Zig:27   | Killed Xistivoewn the pandemonium lord
283275 | Zig:27   | Killed Wioteiqary the pandemonium lord
283276 | Zig:27   | Noticed Edabatet the pandemonium lord
283276 | Zig:27   | Killed Imotep the pandemonium lord
283277 | Zig:27   | Killed Ynkehox the pandemonium lord
283277 | Zig:27   | Killed Xyituce the pandemonium lord
283278 | Zig:27   | Killed Qetecima the pandemonium lord
283278 | Zig:27   | Killed Ucaig the pandemonium lord
283279 | Zig:27   | Noticed Nehimukk the pandemonium lord
283279 | Zig:27   | Killed Utiplewo the pandemonium lord
283280 | Zig:27   | Killed Tekhli Osoen the pandemonium lord
283281 | Zig:27   | Killed Racuah Kiach the pandemonium lord
283281 | Zig:27   | Killed Adacyeh the pandemonium lord
283281 | Zig:27   | Killed Puwaeck the pandemonium lord
283281 | Zig:27   | Killed Guerphox the pandemonium lord
283281 | Zig:27   | Killed Kisiufosh the pandemonium lord
283281 | Zig:27   | Killed Qorgh the pandemonium lord
283281 | Zig:27   | Killed Maikhefext the pandemonium lord
283282 | Zig:27   | Killed Sokov the pandemonium lord
283282 | Zig:27   | Killed Houren the pandemonium lord
283282 | Zig:27   | Killed Nehimukk the pandemonium lord
283283 | Zig:27   | Killed Selig the pandemonium lord
283284 | Zig:27   | Killed Zaskuserghor the pandemonium lord
283284 | Zig:27   | Killed Reamosm the pandemonium lord
283285 | Zig:27   | HP: 7/199 [Ogagirute the pandemonium lord (4)]
283285 | Zig:27   | Killed Nuidwob the pandemonium lord
283285 | Zig:27   | Killed Edabatet the pandemonium lord
283285 | Zig:27   | Killed Enutzomo the pandemonium lord
283286 | Zig:27   | Killed Qemi the pandemonium lord
283287 | Zig:27   | Noticed Kohuvynn the pandemonium lord
283288 | Zig:27   | Killed Wiarac the pandemonium lord
283288 | Zig:27   | Killed Ogagirute the pandemonium lord
283288 | Zig:27   | Noticed Meagg the pandemonium lord
283290 | Zig:27   | Noticed Jaor the pandemonium lord
283291 | Zig:27   | Killed Jiveck the pandemonium lord
283291 | Zig:27   | Noticed Weecog the pandemonium lord
283292 | Zig:27   | Killed Ate Vexi the pandemonium lord
283294 | Zig:27   | Noticed Epinad the pandemonium lord
283295 | Zig:27   | Killed Xelahesk the pandemonium lord
283295 | Zig:27   | Noticed Mogesic the pandemonium lord
283296 | Zig:27   | Noticed Asabej the pandemonium lord
283296 | Zig:27   | Killed Jufogul the pandemonium lord
283296 | Zig:27   | Noticed Siafaf the pandemonium lord
283297 | Zig:27   | Killed Jaor the pandemonium lord
283297 | Zig:27   | Noticed Doannoff the pandemonium lord
283297 | Zig:27   | Noticed Komi the pandemonium lord
283298 | Zig:27   | Killed Weecog the pandemonium lord
283299 | Zig:27   | Killed Kohuvynn the pandemonium lord
283301 | Zig:27   | Noticed Ezoced the pandemonium lord
283304 | Zig:27   | Noticed Hona the pandemonium lord
283305 | Zig:27   | Killed Meagg the pandemonium lord
283306 | Zig:27   | Noticed Rurok the pandemonium lord
283306 | Zig:27   | Killed Mogesic the pandemonium lord
283308 | Zig:27   | Killed Epinad the pandemonium lord
283309 | Zig:27   | Killed Asabej the pandemonium lord
283310 | Zig:27   | HP: 4/199 [Siafaf the pandemonium lord (11)]
283310 | Zig:27   | Noticed Icwuecs the pandemonium lord
283311 | Zig:27   | Noticed Ceorim the pandemonium lord
283311 | Zig:27   | Killed Siafaf the pandemonium lord
283312 | Zig:27   | Killed Ezoced the pandemonium lord
283312 | Zig:27   | Noticed Sunty the pandemonium lord
283315 | Zig:27   | Killed Komi the pandemonium lord
283315 | Zig:27   | Noticed Hotsa the pandemonium lord
283317 | Zig:27   | Killed Doannoff the pandemonium lord
283317 | Zig:27   | Noticed Etwoin the pandemonium lord
283318 | Zig:27   | Noticed Ujeulu the pandemonium lord
283318 | Zig:27   | Noticed Zonleop the pandemonium lord
283318 | Zig:27   | Noticed Toekineb the pandemonium lord
283319 | Zig:27   | Killed Hona the pandemonium lord
283319 | Zig:27   | Noticed Tiegir the pandemonium lord
283320 | Zig:27   | Noticed Coriesme the pandemonium lord
283320 | Zig:27   | Killed Icwuecs the pandemonium lord
283325 | Zig:27   | Killed Ceorim the pandemonium lord
283325 | Zig:27   | HP: 8/199 [???[Rurok] (1)]
283326 | Zig:27   | Killed Sunty the pandemonium lord
283328 | Zig:27   | Noticed Umel the pandemonium lord
283328 | Zig:27   | Noticed Fyifuimn the pandemonium lord
283328 | Zig:27   | Noticed Heukoz the pandemonium lord
283328 | Zig:27   | Noticed Muwkis the pandemonium lord
283328 | Zig:27   | Noticed Maymaeng the pandemonium lord
283328 | Zig:27   | Noticed Iloshec the pandemonium lord
283328 | Zig:27   | Noticed Lasura the pandemonium lord
283328 | Zig:27   | Noticed Xiuhor the pandemonium lord
283328 | Zig:27   | Noticed Puota the pandemonium lord
283328 | Zig:27   | Noticed Uqerghut the pandemonium lord
283328 | Zig:27   | Noticed Qaoq the pandemonium lord
283328 | Zig:27   | Noticed Dililiub the pandemonium lord
283328 | Zig:27   | Noticed Sonapury the pandemonium lord
283328 | Zig:27   | Noticed Ommeng the pandemonium lord
283328 | Zig:27   | Noticed Heniqiyrhu the pandemonium lord
283328 | Zig:27   | Noticed Muruylus the pandemonium lord
283328 | Zig:27   | Noticed Sojousaj the pandemonium lord
283329 | Zig:27   | Noticed Xenaali the pandemonium lord
283329 | Zig:27   | Noticed Zinoejei the pandemonium lord
283330 | Zig:27   | Killed Coriesme the pandemonium lord
283330 | Zig:27   | Killed from afar by a Brimstone Fiend (32 damage)
                  | ... with damnation
                  | ... summoned by Rurok
283331 | Zig:27   | Killed Rurok the pandemonium lord
283333 | Zig:27   | Killed Hotsa the pandemonium lord
283333 | Zig:27   | Killed Sojousaj the pandemonium lord
283333 | Zig:27   | Killed Ommeng the pandemonium lord
283334 | Zig:27   | Killed Tiegir the pandemonium lord
283334 | Zig:27   | Killed Muwkis the pandemonium lord
283334 | Zig:27   | Killed Xiuhor the pandemonium lord
283334 | Zig:27   | Killed Toekineb the pandemonium lord
283334 | Zig:27   | Killed Uqerghut the pandemonium lord
283335 | Zig:27   | Killed Iloshec the pandemonium lord
283335 | Zig:27   | Killed Qaoq the pandemonium lord
283335 | Zig:27   | Killed Ujeulu the pandemonium lord
283335 | Zig:27   | Killed Dililiub the pandemonium lord
283335 | Zig:27   | Killed Puota the pandemonium lord
283335 | Zig:27   | Killed Fyifuimn the pandemonium lord
283336 | Zig:27   | Killed Zonleop the pandemonium lord
283336 | Zig:27   | Killed Heniqiyrhu the pandemonium lord
283336 | Zig:27   | Killed Etwoin the pandemonium lord
283336 | Zig:27   | Killed Lasura the pandemonium lord
283336 | Zig:27   | Killed Maymaeng the pandemonium lord
283336 | Zig:27   | Killed Sonapury the pandemonium lord
283338 | Zig:27   | Killed Heukoz the pandemonium lord
283338 | Zig:27   | Killed Umel the pandemonium lord
283339 | Zig:27   | Killed Zinoejei the pandemonium lord
283340 | Zig:27   | Killed Muruylus the pandemonium lord
283347 | Zig:27   | Killed Xenaali the pandemonium lord
283595 | Zig:27   | Identified the staff of earth "Atisebri" {rC++}
283615 | Zig:27   | Identified the ring of the Duchess {rF+ rC+ Will+ Dex+2
                  | Stlth+}
283620 | Zig:27   | Identified the +10 falchion of Xifeor {holy, rC- Dex+3
                  | Stlth+}
283622 | Zig:27   | Identified the staff of poison "Wuttad" {rPois Int+2}
283626 | Zig:27   | Identified the +6 mace of Leaf {pain, Will+ Str+3 SInv}
283630 | Zig:27   | Identified the +6 dagger of Irotos {vamp, Str-4 Int+4
                  | Dex+2}
283641 | Zig:27   | Identified the ring of Lies {Fly rElec rPois}
283645 | Zig:27   | Identified the ring of the Soft Rambutan {AC+4 Str+3
                  | Stlth+}
283656 | Zig:27   | Identified the +6 rapier of the Enormous God {holy, rElec
                  | Str+3 Dex+3}
283683 | Zig:27   | Identified the ring "Ulafec" {+Blink rN+}
283695 | Zig:27   | Identified the staff of fire "Oghog" {rF+ rCorr Str-4
                  | Dex+8}
283939 | Zig:1    | Entered Level 1 of a ziggurat
284167 | Zig:2    | Entered Level 2 of a ziggurat
284195 | Zig:3    | Entered Level 3 of a ziggurat
284196 | Zig:3    | Paralysed by an air elemental for 1 turns
284201 | Zig:3    | Identified the +2 helmet of Free Will {Str+4}
284202 | Zig:3    | Identified the +11 great sword of Niytz {antimagic, rF+++
                  | rN+ Will- Str+4}
284215 | Zig:3    | Learned a level 4 spell: Vhi's Electric Charge
284225 | Zig:3    | Learned a level 8 spell: Discord
284235 | Zig:3    | Learned a level 7 spell: Malign Gateway
284237 | Zig:4    | Entered Level 4 of a ziggurat
284237 | Zig:4    | Noticed a dread lich
284237 | Zig:4    | Noticed an ancient lich
284237 | Zig:4    | Noticed an ancient lich
284237 | Zig:4    | Noticed a dread lich
284237 | Zig:4    | Noticed an ancient lich
284237 | Zig:4    | Noticed an ancient lich
284237 | Zig:4    | Noticed an ancient lich
284237 | Zig:4    | Noticed an ancient lich
284237 | Zig:4    | Noticed an ancient lich
284247 | Zig:4    | Killed an ancient lich
284248 | Zig:4    | Killed a dread lich
284248 | Zig:4    | Killed an ancient lich
284253 | Zig:4    | Killed a dread lich
284253 | Zig:4    | Killed an ancient lich
284253 | Zig:4    | Killed from afar by an ancient lich (89 damage)
                  | ... with a crystal spear
284255 | Zig:4    | Killed an ancient lich
284255 | Zig:4    | Killed an ancient lich
284259 | Zig:4    | Killed an ancient lich
284260 | Zig:4    | Killed an ancient lich
284369 | Zig:4    | Learned a level 6 spell: Plasma Beam
284374 | Zig:4    | Learned a level 3 spell: Gell's Gravitas
284387 | Zig:5    | Entered Level 5 of a ziggurat
284387 | Zig:5    | Noticed an ancient lich
284387 | Zig:5    | Noticed a dread lich
284387 | Zig:5    | Noticed an ancient lich
284387 | Zig:5    | Noticed a dread lich
284387 | Zig:5    | Noticed a dread lich
284387 | Zig:5    | Noticed an ancient lich
284387 | Zig:5    | Noticed a dread lich
284387 | Zig:5    | Noticed a dread lich
284387 | Zig:5    | Noticed an ancient lich
284389 | Zig:5    | Noticed a dread lich
284391 | Zig:5    | Killed a dread lich
284393 | Zig:5    | Killed a dread lich
284394 | Zig:5    | Killed a dread lich
284394 | Zig:5    | Killed an ancient lich
284394 | Zig:5    | Killed a dread lich
284394 | Zig:5    | Killed a dread lich
284395 | Zig:5    | Killed an ancient lich
284395 | Zig:5    | Noticed an ancient lich
284397 | Zig:5    | Noticed an ancient lich
284397 | Zig:5    | Killed an ancient lich
284397 | Zig:5    | Killed a dread lich
284398 | Zig:5    | Killed an ancient lich
284401 | Zig:5    | Killed an ancient lich
284403 | Zig:5    | Killed an ancient lich
284759 | Zig:5    | Learned a level 5 spell: Iskenderun's Battlesphere
284770 | Zig:6    | Entered Level 6 of a ziggurat
284776 | Zig:6    | HP: 9/199 [??? (1)]
284778 | Zig:6    | HP: 3/199 [something (5)]
284779 | Zig:6    | Killed from afar by a hellion (29 damage)
                  | ... with damnation
285156 | Zig:7    | Entered Level 7 of a ziggurat
285173 | Zig:7    | Killed from afar by a purple draconian shifter (41 damage)
                  | ... with a bolt of dispelling energy
285328 | Zig:7    | Identified the staff of earth "Amepurirgh" {SInv}
285348 | Zig:7    | Identified the ring of Xagow {Int+4 SInv}
285356 | Zig:8    | Entered Level 8 of a ziggurat
285356 | Zig:8    | Noticed a dread lich
285358 | Zig:8    | Killed a dread lich
285416 | Zig:8    | Slain by an iron golem (16 damage)
285532 | Zig:8    | Identified the +0 gold dragon scales "Kowiko" {rPois rF+
                  | rC+ rN+}
285596 | Zig:9    | Entered Level 9 of a ziggurat
285596 | Zig:9    | Noticed an ancient lich
285596 | Zig:9    | Noticed an ancient lich
285596 | Zig:9    | Noticed an ancient lich
285596 | Zig:9    | Noticed a dread lich
285596 | Zig:9    | Noticed a dread lich
285596 | Zig:9    | Noticed an ancient lich
285596 | Zig:9    | Noticed an ancient lich
285596 | Zig:9    | Noticed a dread lich
285596 | Zig:9    | Noticed a dread lich
285596 | Zig:9    | Noticed an ancient lich
285596 | Zig:9    | Noticed an ancient lich
285596 | Zig:9    | Noticed an ancient lich
285596 | Zig:9    | Noticed an ancient lich
285597 | Zig:9    | Noticed an ancient lich
285598 | Zig:9    | Noticed a dread lich
285598 | Zig:9    | Noticed a dread lich
285602 | Zig:9    | Noticed a dread lich
285602 | Zig:9    | Noticed a dread lich
285602 | Zig:9    | Killed an ancient lich
285602 | Zig:9    | Killed an ancient lich
285603 | Zig:9    | Noticed a dread lich
285603 | Zig:9    | Killed an ancient lich
285603 | Zig:9    | Killed a dread lich
285603 | Zig:9    | Killed an ancient lich
285603 | Zig:9    | Killed an ancient lich
285605 | Zig:9    | Killed a dread lich
285605 | Zig:9    | Killed an ancient lich
285605 | Zig:9    | Killed an ancient lich
285605 | Zig:9    | Killed a dread lich
285606 | Zig:9    | Killed an ancient lich
285606 | Zig:9    | Killed a dread lich
285606 | Zig:9    | Killed a dread lich
285606 | Zig:9    | Killed a dread lich
285606 | Zig:9    | Killed an ancient lich
285606 | Zig:9    | Killed a dread lich
285606 | Zig:9    | Noticed a dread lich
285607 | Zig:9    | Killed a dread lich
285607 | Zig:9    | Noticed a dread lich
285607 | Zig:9    | Noticed a dread lich
285608 | Zig:9    | Noticed a dread lich
285609 | Zig:9    | Noticed an ancient lich
285609 | Zig:9    | Noticed an ancient lich
285610 | Zig:9    | Killed a dread lich
285610 | Zig:9    | Noticed a dread lich
285611 | Zig:9    | Killed an ancient lich
285612 | Zig:9    | Noticed a dread lich
285613 | Zig:9    | Killed a dread lich
285614 | Zig:9    | HP: 2/199 [golden dragon/bolt of cold (9)]
285615 | Zig:9    | Killed a dread lich
285615 | Zig:9    | Noticed an ancient lich
285616 | Zig:9    | Killed a dread lich
285616 | Zig:9    | Killed a dread lich
285617 | Zig:9    | Killed from afar by an ancient lich (24 damage)
                  | ... with a bolt of acid
285618 | Zig:9    | Killed an ancient lich
285618 | Zig:9    | Killed a dread lich
285620 | Zig:9    | Noticed a dread lich
285625 | Zig:9    | Killed a dread lich
285629 | Zig:9    | Killed an ancient lich
285645 | Zig:9    | Killed from afar by an ancient lich (75 damage)
                  | ... with a crystal spear
285646 | Zig:9    | Killed a dread lich
285649 | Zig:9    | Killed an ancient lich
285665 | Zig:9    | Identified the staff of death "Emasad" {rElec rPois rN+
                  | Dex+6 Stlth-}
285666 | Zig:9    | Identified the +0 crystal plate armour of Integrity {-Tele
                  | rPois rN+++ Regen+}
285932 | Zig:9    | Identified the +8 flail of the Disbelieving Gods {protect,
                  | rElec rPois Str+8 Stlth-}
285933 | Zig:9    | Identified the ring "Cafiypul" {rN+ SInv}
285962 | Zig:9    | Identified the +1 shortbow of Semiuxen {flame, Int+4}
285987 | Zig:10   | Entered Level 10 of a ziggurat
286098 | Zig:10   | Identified the +1 robe "Qiamp" {Int-4 Dex+5 Stlth+}
286367 | Zig:10   | Identified the ring "Xosapaj" {rF+ Str+6}
286375 | Zig:10   | Identified the staff of poison "Uzomocum" {rPois Dex+3}
286377 | Zig:10   | Identified the ring "Xytuq" {Fly rPois Int+3 Dex-2 Stlth+}
286379 | Zig:10   | Identified the ring of the Traitor {Dex+6 SInv}
286381 | Zig:10   | Identified the amulet "Bauc" {Spirit rF+ MP+9 Str+3 SInv}
286394 | Zig:10   | Identified the staff of conjuration "Tiuman" {*Slow rPois
                  | rF+ rN+++}
286404 | Zig:10   | Identified the staff of earth "Udicw" {rF+}
286407 | Zig:11   | Entered Level 11 of a ziggurat
286413 | Zig:11   | Killed from afar by a Brimstone Fiend (38 damage)
                  | ... with damnation
286417 | Zig:11   | HP: 5/199 [blizzard demon/the air (22)]
286417 | Zig:11   | Killed from afar by a Hell Sentinel (20 damage)
                  | ... with damnation
286427 | Zig:11   | Noticed Raer the pandemonium lord
286428 | Zig:11   | HP: 4/199 [smoke demon/divine providence (9)]
286430 | Zig:11   | Killed from afar by a balrug (14 damage)
                  | ... with a fireball
286439 | Zig:11   | Killed Raer the pandemonium lord
286492 | Zig:11   | Identified the ring of Alableos {rPois Str-2 Dex+5}
286830 | Zig:11   | Identified the +2 flail of Plague {flame, Str+4 Int+3}
286831 | Zig:11   | Identified the +4 hand axe of Gieji {vamp, rPois Str+2
                  | Int+2}
286839 | Zig:11   | Identified the +1 robe "Amuro" {Fly Int+3 Dex-5}
286869 | Zig:12   | Entered Level 12 of a ziggurat
286869 | Zig:12   | Noticed a dread lich
286869 | Zig:12   | Noticed a dread lich
286869 | Zig:12   | Noticed an ancient lich
286869 | Zig:12   | Noticed an ancient lich
286869 | Zig:12   | Noticed a dread lich
286869 | Zig:12   | Noticed an ancient lich
286870 | Zig:12   | Noticed a dread lich
286870 | Zig:12   | Noticed an ancient lich
286871 | Zig:12   | Noticed a dread lich
286871 | Zig:12   | Noticed a dread lich
286871 | Zig:12   | Noticed an ancient lich
286871 | Zig:12   | Noticed a dread lich
286871 | Zig:12   | Noticed an ancient lich
286871 | Zig:12   | Noticed an ancient lich
286871 | Zig:12   | Noticed a dread lich
286872 | Zig:12   | Killed a dread lich
286872 | Zig:12   | Killed an ancient lich
286872 | Zig:12   | Killed an ancient lich
286872 | Zig:12   | Killed an ancient lich
286872 | Zig:12   | Noticed a dread lich
286873 | Zig:12   | Killed an ancient lich
286873 | Zig:12   | Killed a dread lich
286873 | Zig:12   | Killed an ancient lich
286874 | Zig:12   | Killed a dread lich
286874 | Zig:12   | Killed a dread lich
286874 | Zig:12   | Killed a dread lich
286874 | Zig:12   | Killed a dread lich
286874 | Zig:12   | Killed an ancient lich
286874 | Zig:12   | Killed a dread lich
286874 | Zig:12   | Noticed a dread lich
286875 | Zig:12   | Killed a dread lich
286875 | Zig:12   | Killed a dread lich
286875 | Zig:12   | Noticed an ancient lich
286877 | Zig:12   | Noticed an ancient lich
286877 | Zig:12   | Noticed a dread lich
286877 | Zig:12   | Noticed an ancient lich
286877 | Zig:12   | Noticed an ancient lich
286877 | Zig:12   | Noticed an ancient lich
286879 | Zig:12   | Noticed an ancient lich
286879 | Zig:12   | Noticed a dread lich
286879 | Zig:12   | Noticed an ancient lich
286879 | Zig:12   | Killed an ancient lich
286879 | Zig:12   | Noticed a dread lich
286880 | Zig:12   | Noticed an ancient lich
286880 | Zig:12   | Noticed an ancient lich
286880 | Zig:12   | Noticed an ancient lich
286881 | Zig:12   | Noticed a dread lich
286881 | Zig:12   | Killed a dread lich
286881 | Zig:12   | Noticed a dread lich
286882 | Zig:12   | Noticed an ancient lich
286887 | Zig:12   | HP: 6/199 [ancient lich/crystal spear (53)]
286888 | Zig:12   | Slain by an ancient lich (8 damage)
286889 | Zig:12   | Killed an ancient lich
286889 | Zig:12   | Killed a dread lich
286889 | Zig:12   | Killed an ancient lich
286890 | Zig:12   | Killed an ancient lich
286891 | Zig:12   | Killed an ancient lich
286891 | Zig:12   | Killed a dread lich
286892 | Zig:12   | Killed an ancient lich
286892 | Zig:12   | Killed an ancient lich
286892 | Zig:12   | Killed an ancient lich
286892 | Zig:12   | Killed an ancient lich
286893 | Zig:12   | Killed an ancient lich
286893 | Zig:12   | Killed an ancient lich
286893 | Zig:12   | Killed a dread lich
286894 | Zig:12   | Killed an ancient lich
286894 | Zig:12   | Killed a dread lich
286896 | Zig:12   | Killed a dread lich
287036 | Zig:12   | Identified the +6 hand axe "Voefic" {spect, rCorr Stlth+}
287058 | Zig:12   | Identified the ring of Huxkuen {rPois EV+5 Str+3 Int+3}
287067 | Zig:13   | Entered Level 13 of a ziggurat
287275 | Zig:13   | Identified the ring "Seassaj" {*Corrode rPois rC+ rN+++
                  | Str+6}
287289 | Zig:13   | Identified the staff of death "Efopnex" {rPois rN+ Int+3}
287290 | Zig:13   | Identified the ring of Zomehu {Fly rElec Int-3 SInv}
287295 | Zig:13   | Identified the +11 spear "Piqauz" {heavy, +Blink rC+}
287300 | Zig:14   | Entered Level 14 of a ziggurat
287310 | Zig:14   | HP: 1/199 [balrug/divine providence (11)]
287310 | Zig:14   | Killed from afar by a Hell Sentinel (59 damage)
                  | ... with an iron shot
287320 | Zig:14   | HP: 4/199 [balrug/divine providence (13)]
287320 | Zig:14   | Demolished by a hell beast (24 damage)
287324 | Zig:14   | Lost mutation: Your muscles are strong. (Str +4, Int/Dex
                  | -1) [a cacodemon]
287324 | Zig:14   | Gained mutation: You passively map a small area around you.
                  | [a cacodemon]
287327 | Zig:14   | Killed from afar by a Hell Sentinel (31 damage)
                  | ... with an iron shot
287335 | Zig:14   | HP: 6/199 [sphinx/divine providence[a demonspawn corrupter]
                  | (9)]
287335 | Zig:14   | Killed by the air
                  | ... invoked by a blizzard demon
                  | (9 damage)
287342 | Zig:14   | Slain by a Hell Sentinel (27 damage)
287346 | Zig:14   | HP: 3/199 [Hell Sentinel (13)]
287346 | Zig:14   | Demolished by a demonspawn warmonger
                  | ... wielding a +2 demon trident of venom
                  | (23 damage)
287355 | Zig:14   | HP: 3/199 [Hell Sentinel/damnation (27)]
287356 | Zig:14   | Engulfed by a cloud of thunder (8 damage)
287370 | Zig:14   | Killed from afar by a Hell Sentinel (33 damage)
                  | ... with damnation
287379 | Zig:14   | Noticed Akudotsuim the pandemonium lord
287382 | Zig:14   | HP: 8/199 [Brimstone Fiend (4)]
287384 | Zig:14   | HP: 3/199 [Brimstone Fiend (6)]
287384 | Zig:14   | Slain by a Brimstone Fiend (3 damage)
287392 | Zig:14   | Killed by the air
                  | ... invoked by a blizzard demon
                  | (20 damage)
287397 | Zig:14   | Killed Akudotsuim the pandemonium lord
287403 | Zig:14   | HP: 6/199 [balrug/divine providence (13)]
287404 | Zig:14   | Killed by the air
                  | ... invoked by a blizzard demon
                  | (14 damage)
287412 | Zig:14   | HP: 4/199 [blizzard demon/the air (14)]
287413 | Zig:14   | Killed from afar by a Brimstone Fiend (32 damage)
                  | ... with damnation
287824 | Zig:14   | Identified the staff of air "Qasmafytt" {rElec rF+ rC+
                  | Stlth+}
287826 | Zig:14   | Identified the +9 quarterstaff of the Modern Scars {holy,
                  | Fragile rCorr Dex+3}
287829 | Zig:14   | Identified the ring "Piejy" {Fly rPois Will+ Stlth+}
287840 | Zig:14   | Identified the +3 spear "Atido" {freeze, Dex+4}
287841 | Zig:14   | Identified the ring "Jaseh" {Fly rElec rF+++ rN++ Will-}
287858 | Zig:14   | Identified the ring of Ofuopaph {Fly rF+++ rC+ Int-4 Dex-2}
287866 | Zig:14   | Acquired 980 gold pieces
287872 | Zig:15   | Entered Level 15 of a ziggurat
287873 | Zig:15   | Paralysed by a wendigo for 1 turns
287880 | Zig:15   | HP: 6/199 [Ice Fiend/bolt of cold (8)]
287884 | Zig:15   | Killed from afar by an Ice Fiend (7 damage)
                  | ... with a bolt of cold
287899 | Zig:15   | Paralysed by a wendigo for 1 turns
287900 | Zig:15   | Killed from afar by a shard shrike (46 damage)
                  | ... with a shard of ice
                  | ... while paralysed by a wendigo
288348 | Zig:15   | Identified the +0 long sword of Bodily Humours {venom, rF-
                  | Dex+4}
288363 | Zig:15   | Identified the +6 scale mail of the Slug {Str+3}
288364 | Zig:15   | Identified the staff of air "Feryeh" {rElec rF- Dex+5}
288367 | Zig:15   | Identified the staff of fire "Dejimom" {rF+ rC+ rCorr Str-2
                  | Dex+2}
288371 | Zig:15   | Identified the +2 flail of the Tentacled God {flame, Will++
                  | Str-4}
288377 | Zig:16   | Entered Level 16 of a ziggurat
288388 | Zig:16   | Paralysed by an air elemental for 1 turns
288401 | Zig:16   | HP: 5/199 [deep elf zephyrmancer/bolt of lightning (9)]
288405 | Zig:16   | Killed from afar by a deep elf zephyrmancer (5 damage)
                  | ... with a bolt of lightning
288419 | Zig:16   | Paralysed by an air elemental for 1 turns
288430 | Zig:16   | Shot with an arrow by a deep elf master archer (16 damage)
288469 | Zig:16   | Killed from afar by a deep elf high priest (29 damage)
                  | ... with damnation
288634 | Zig:16   | Identified the ring "Pixtes" {rCorr Dex+3 SInv}
288638 | Zig:16   | Identified the +7 halberd "Vudeis" {speed, rF+ rN+ Dex-3}
288642 | Zig:16   | Identified the +5 falchion of Summer {protect, rPois}
288679 | Zig:16   | Identified the +3 leather armour of Eggoipna {Fly rF+ rN++
                  | SInv}
288680 | Zig:16   | Identified the amulet of Zijei {Spirit Rampage Fragile rN++
                  | SInv}
288746 | Zig:17   | Entered Level 17 of a ziggurat
288753 | Zig:17   | Paralysed by a floating eye for 4 turns
288771 | Zig:17   | Paralysed by a floating eye for 2 turns
288776 | Zig:17   | HP: 6/199 [acid blob/splash of acid (5)]
288780 | Zig:17   | HP: 2/199 [acid blob/splash of acid (1)]
288780 | Zig:17   | Killed from afar by an acid blob (2 damage)
                  | ... with a splash of acid
288783 | Zig:17   | Paralysed by a floating eye for 4 turns
288791 | Zig:17   | HP: 2/199 [enormous slime creature (22)]
288792 | Zig:17   | Gained mutation: You frequently scream uncontrollably at
                  | your foes. [a shining eye]
288793 | Zig:17   | Paralysed by a floating eye for 2 turns
288794 | Zig:17   | Blown up by an eye of devastation (34 damage)
                  | ... with a bolt of energy
                  | ... while paralysed by a floating eye
288986 | Zig:17   | Identified the ring "Fetuptargh" {AC+4 Str+3 Int-4 Dex+4}
288997 | Zig:17   | Identified the ring "Xejut" {Will+ rCorr Int+2}
289019 | Zig:17   | Identified the ring of the Komtur {Fire rPois MP+9 Dex+2}
289025 | Zig:17   | Identified the ring "Huts" {rPois Will+++ MP+9 Str-3 Slay+4
                  | Stlth-}
289033 | Zig:17   | Identified the +1 cloak "Sityfafo" {-Tele Harm Will+
                  | Stlth+}
289035 | Zig:17   | Identified the staff of death "Zurchyec" {rN+ Int+4 Dex+3}
289043 | Zig:17   | Identified the staff of cold "Zinlahoa" {rC+ Dex+4}
289053 | Zig:17   | Identified the +3 chain mail of the Prophets {rC+}
289095 | Zig:18   | Entered Level 18 of a ziggurat
289104 | Zig:18   | HP: 1/139 [bone dragon (8)]
289105 | Zig:18   | Mangled by a spatial maelstrom (9 damage)
289116 | Zig:18   | Noticed a dread lich
289136 | Zig:18   | Killed a dread lich
289138 | Zig:18   | Identified the +5 mace "Ittecec" {freeze, *Rage Int+8
                  | Dex+4}
289138 | Zig:18   | Killed by divine providence
                  | ... invoked by a smoke demon
                  | (10 damage)
289141 | Zig:18   | Identified the +5 rapier "Jysmawn" {flame, +Blink rF- Str+3
                  | Int+3}
289144 | Zig:18   | Identified the ring of Seph {rF+ SInv}
289151 | Zig:18   | Paralysed by accursed screaming for 2 turns
289174 | Zig:18   | Paralysed by accursed screaming for 2 turns
289176 | Zig:18   | Slain by a bone dragon (13 damage)
289183 | Zig:18   | Paralysed by accursed screaming for 2 turns
289191 | Zig:18   | HP: 8/179 [cloud of thunder (2)]
289191 | Zig:18   | Killed from afar by a starcursed mass (10 damage)
                  | ... with an accursed screaming
289226 | Zig:18   | Killed from afar by a starcursed mass (27 damage)
                  | ... with an accursed screaming
289233 | Zig:18   | Paralysed by accursed screaming for 2 turns
289248 | Zig:18   | Paralysed by accursed screaming for 2 turns
289544 | Zig:18   | Identified the +5 broad axe of Dithmenos, Growing {venom,
                  | rPois rC- Will+++ Str+3}
289557 | Zig:18   | Identified the staff of cold "Koitwucw" {rElec rF+ rC+
                  | Str-5 Int+6}
289558 | Zig:18   | Identified the +0 war axe of Resourcefulness {freeze,
                  | Dex+5}
289565 | Zig:18   | Identified the ring "Geutt" {rC+ Int+6 Dex+2}
289605 | Zig:18   | Acquired 1201 gold pieces
289616 | Zig:19   | Entered Level 19 of a ziggurat
289628 | Zig:19   | HP: 5/199 [Hell Sentinel (13)]
289628 | Zig:19   | Mangled by a stone giant (15 damage)
289654 | Zig:19   | Hit by a stone giant thrown by iron giant (16 damage)
289676 | Zig:19   | Killed from afar by a Hell Sentinel (36 damage)
                  | ... with damnation
289700 | Zig:19   | HP: 1/199 [iron golem (21)]
289701 | Zig:19   | Killed from afar by a Hell Sentinel (20 damage)
                  | ... with an iron shot
289730 | Zig:19   | Killed from afar by a crystal guardian (31 damage)
                  | ... with a crystal bolt
289742 | Zig:19   | HP: 8/199 [Hell Sentinel/damnation (30)]
289742 | Zig:19   | Killed from afar by a Hell Sentinel (34 damage)
                  | ... with damnation
289800 | Zig:19   | Slain by an iron giant
                  | ... wielding a +0 giant club
                  | (28 damage)
289873 | Zig:19   | Slain by an iron giant
                  | ... wielding a +0 dire flail
                  | (22 damage)
289924 | Zig:19   | Killed from afar by a Hell Sentinel (36 damage)
                  | ... with an iron shot
290331 | Zig:19   | Identified the ring "Kukhughum" {rPois Will++ rCorr Str+2
                  | Int-4}
290369 | Zig:19   | Identified the +5 rapier of Daulebaq {heavy, Fragile rPois
                  | rN++ Will+}
290375 | Zig:19   | Identified the +6 plate armour of Inaction {rPois Str+3}
290381 | Zig:19   | Identified the +12 great sword of Weope {chaos, rPois rC++
                  | Str+3 Int-5}
290400 | Zig:19   | Identified the +7 plate armour of the Pink Corner {Dex+3}
290405 | Zig:19   | Identified the +8 ice dragon scales of Peek-a-Boo {rPois
                  | rF- rC++ Str+8 Slay-5}
290432 | Zig:19   | Identified the ring "Jaotzu" {*Slow Str+2 Dex+3 SInv}
290479 | Zig:20   | Entered Level 20 of a ziggurat
290482 | Zig:20   | Noticed Atolops Ynups the pandemonium lord
290482 | Zig:20   | Noticed Luidgh Mosa the pandemonium lord
290482 | Zig:20   | Noticed Unuoshon the pandemonium lord
290483 | Zig:20   | Noticed Lixzodur the pandemonium lord
290483 | Zig:20   | Noticed Yrchelov the pandemonium lord
290483 | Zig:20   | Noticed Hymaneoff the pandemonium lord
290483 | Zig:20   | Noticed Coprelin the pandemonium lord
290483 | Zig:20   | Noticed Plog the pandemonium lord
290483 | Zig:20   | Noticed Imiov the pandemonium lord
290483 | Zig:20   | Noticed Izodait the pandemonium lord
290483 | Zig:20   | Noticed Evylut the pandemonium lord
290484 | Zig:20   | Noticed Cokk the pandemonium lord
290484 | Zig:20   | Noticed Qovent the pandemonium lord
290484 | Zig:20   | Noticed Qoureh the pandemonium lord
290484 | Zig:20   | Noticed Zeoluh the pandemonium lord
290484 | Zig:20   | Noticed Jaeriano the pandemonium lord
290484 | Zig:20   | Noticed Cuniury the pandemonium lord
290484 | Zig:20   | Noticed Loynt the pandemonium lord
290484 | Zig:20   | Noticed Gekon the pandemonium lord
290485 | Zig:20   | Noticed Zokotif the pandemonium lord
290485 | Zig:20   | Noticed Lexkir the pandemonium lord
290485 | Zig:20   | Noticed Retuy the pandemonium lord
290485 | Zig:20   | Noticed Xeah the pandemonium lord
290485 | Zig:20   | Noticed Muru the pandemonium lord
290485 | Zig:20   | Noticed Poson the pandemonium lord
290485 | Zig:20   | Noticed Ninkuypo the pandemonium lord
290486 | Zig:20   | Noticed Yhaukule the pandemonium lord
290486 | Zig:20   | Noticed Beon the pandemonium lord
290486 | Zig:20   | Noticed Qimual the pandemonium lord
290486 | Zig:20   | Noticed Okhluqoa the pandemonium lord
290487 | Zig:20   | Noticed Giumpora the pandemonium lord
290487 | Zig:20   | Noticed Muam the pandemonium lord
290487 | Zig:20   | Noticed Lecu Joa the pandemonium lord
290488 | Zig:20   | Noticed Ifuhoota the pandemonium lord
290488 | Zig:20   | Noticed Ocackeotha the pandemonium lord
290488 | Zig:20   | Killed Izodait the pandemonium lord
290488 | Zig:20   | Killed Cokk the pandemonium lord
290488 | Zig:20   | Killed Evylut the pandemonium lord
290488 | Zig:20   | Noticed Rochut the pandemonium lord
290489 | Zig:20   | Noticed Qeedwel the pandemonium lord
290489 | Zig:20   | Killed Zeoluh the pandemonium lord
290490 | Zig:20   | Killed Cuniury the pandemonium lord
290491 | Zig:20   | Killed Ifuhoota the pandemonium lord
290491 | Zig:20   | Killed Qoureh the pandemonium lord
290491 | Zig:20   | Killed Atolops Ynups the pandemonium lord
290491 | Zig:20   | Killed Hymaneoff the pandemonium lord
290491 | Zig:20   | Killed Qovent the pandemonium lord
290491 | Zig:20   | Killed Plog the pandemonium lord
290492 | Zig:20   | Noticed Xayrhole the pandemonium lord
290492 | Zig:20   | Noticed Qaaxkit the pandemonium lord
290492 | Zig:20   | Noticed Naoruhuf the pandemonium lord
290492 | Zig:20   | Noticed Herin the pandemonium lord
290492 | Zig:20   | Noticed Zuhom the pandemonium lord
290492 | Zig:20   | Killed Zokotif the pandemonium lord
290492 | Zig:20   | Killed Lixzodur the pandemonium lord
290492 | Zig:20   | Killed Yrchelov the pandemonium lord
290492 | Zig:20   | Killed Gekon the pandemonium lord
290492 | Zig:20   | Killed Lecu Joa the pandemonium lord
290492 | Zig:20   | Killed Ninkuypo the pandemonium lord
290492 | Zig:20   | Noticed Waiqy the pandemonium lord
290492 | Zig:20   | Killed Imiov the pandemonium lord
290492 | Zig:20   | Killed Xeah the pandemonium lord
290492 | Zig:20   | Noticed Doivox the pandemonium lord
290492 | Zig:20   | Noticed Iwenimn the pandemonium lord
290492 | Zig:20   | Noticed Ydelees the pandemonium lord
290492 | Zig:20   | Noticed Jeavorouff the pandemonium lord
290493 | Zig:20   | Noticed Mejielux the pandemonium lord
290493 | Zig:20   | Noticed Vimnoyde the pandemonium lord
290493 | Zig:20   | Noticed Wemekaf the pandemonium lord
290493 | Zig:20   | Noticed Vahey the pandemonium lord
290493 | Zig:20   | Noticed Inohot the pandemonium lord
290493 | Zig:20   | Killed Luidgh Mosa the pandemonium lord
290493 | Zig:20   | Killed Rochut the pandemonium lord
290493 | Zig:20   | Killed Jaeriano the pandemonium lord
290493 | Zig:20   | Killed Loynt the pandemonium lord
290493 | Zig:20   | Noticed Zuomn the pandemonium lord
290493 | Zig:20   | Noticed Pegych the pandemonium lord
290493 | Zig:20   | Noticed Qoevup the pandemonium lord
290493 | Zig:20   | Noticed Mafara the pandemonium lord
290494 | Zig:20   | Noticed Vawit the pandemonium lord
290494 | Zig:20   | Noticed Taduisch the pandemonium lord
290494 | Zig:20   | Noticed Muhe the pandemonium lord
290494 | Zig:20   | Noticed Uhaq the pandemonium lord
290494 | Zig:20   | Noticed Pehethri the pandemonium lord
290494 | Zig:20   | Noticed Voppaz the pandemonium lord
290494 | Zig:20   | Killed Naoruhuf the pandemonium lord
290494 | Zig:20   | Noticed Vun Pey the pandemonium lord
290494 | Zig:20   | Noticed Sogusiz the pandemonium lord
290494 | Zig:20   | Noticed Cileuzaul the pandemonium lord
290495 | Zig:20   | Noticed Qoros the pandemonium lord
290495 | Zig:20   | Noticed Zad Kuemm the pandemonium lord
290495 | Zig:20   | Killed Muru the pandemonium lord
290495 | Zig:20   | Noticed Qaacri the pandemonium lord
290496 | Zig:20   | Noticed Qokuhyhu the pandemonium lord
290497 | Zig:20   | Killed Poson the pandemonium lord
290497 | Zig:20   | Killed Lexkir the pandemonium lord
290497 | Zig:20   | Killed Retuy the pandemonium lord
290497 | Zig:20   | Noticed Matisaon the pandemonium lord
290497 | Zig:20   | Noticed Toxenuv the pandemonium lord
290497 | Zig:20   | Noticed Leklun the pandemonium lord
290497 | Zig:20   | Noticed Wanub the pandemonium lord
290497 | Zig:20   | Noticed Imakeow the pandemonium lord
290498 | Zig:20   | Noticed Ytimoej the pandemonium lord
290498 | Zig:20   | Killed Yhaukule the pandemonium lord
290498 | Zig:20   | Noticed Veza the pandemonium lord
290498 | Zig:20   | Noticed Cogg the pandemonium lord
290498 | Zig:20   | Noticed Fiaz the pandemonium lord
290498 | Zig:20   | Noticed Asahiech the pandemonium lord
290498 | Zig:20   | Noticed Mieliotu the pandemonium lord
290498 | Zig:20   | Noticed Meruca the pandemonium lord
290499 | Zig:20   | Killed Coprelin the pandemonium lord
290499 | Zig:20   | Killed Unuoshon the pandemonium lord
290499 | Zig:20   | Noticed Umpemu the pandemonium lord
290499 | Zig:20   | Noticed Zoiddol the pandemonium lord
290499 | Zig:20   | Noticed Usuf the pandemonium lord
290499 | Zig:20   | Noticed Amad the pandemonium lord
290499 | Zig:20   | Noticed Hoshraf the pandemonium lord
290500 | Zig:20   | Noticed Sumpihong the pandemonium lord
290500 | Zig:20   | Killed Qimual the pandemonium lord
290500 | Zig:20   | Killed Mejielux the pandemonium lord
290500 | Zig:20   | Killed Jeavorouff the pandemonium lord
290500 | Zig:20   | Killed Beon the pandemonium lord
290500 | Zig:20   | Killed Qaaxkit the pandemonium lord
290500 | Zig:20   | Killed Okhluqoa the pandemonium lord
290500 | Zig:20   | Killed Pegych the pandemonium lord
290500 | Zig:20   | Killed Doivox the pandemonium lord
290500 | Zig:20   | Killed Wemekaf the pandemonium lord
290500 | Zig:20   | Noticed Lutolu Ziofu the pandemonium lord
290500 | Zig:20   | Noticed Woqeokk the pandemonium lord
290500 | Zig:20   | Noticed Gixabuw the pandemonium lord
290500 | Zig:20   | Noticed Kegoud the pandemonium lord
290500 | Zig:20   | Killed Vimnoyde the pandemonium lord
290500 | Zig:20   | Killed Qaacri the pandemonium lord
290500 | Zig:20   | Killed Qokuhyhu the pandemonium lord
290500 | Zig:20   | Killed Vawit the pandemonium lord
290500 | Zig:20   | Killed Matisaon the pandemonium lord
290500 | Zig:20   | Noticed Ceupnit the pandemonium lord
290500 | Zig:20   | Noticed Dasym the pandemonium lord
290500 | Zig:20   | Killed Asahiech the pandemonium lord
290500 | Zig:20   | Killed Imakeow the pandemonium lord
290500 | Zig:20   | Killed Iwenimn the pandemonium lord
290500 | Zig:20   | Killed Herin the pandemonium lord
290500 | Zig:20   | Noticed Able the pandemonium lord
290500 | Zig:20   | Noticed Eheyhes the pandemonium lord
290500 | Zig:20   | Noticed Ysyiboet the pandemonium lord
290500 | Zig:20   | Noticed Tekuz the pandemonium lord
290501 | Zig:20   | Noticed Mysysung the pandemonium lord
290501 | Zig:20   | Killed Ocackeotha the pandemonium lord
290501 | Zig:20   | Noticed Umpom Cola the pandemonium lord
290501 | Zig:20   | Killed Uhaq the pandemonium lord
290501 | Zig:20   | Killed Sogusiz the pandemonium lord
290501 | Zig:20   | Killed Cileuzaul the pandemonium lord
290501 | Zig:20   | Killed Mafara the pandemonium lord
290501 | Zig:20   | Noticed Dyxokeg the pandemonium lord
290502 | Zig:20   | Noticed Mochemob the pandemonium lord
290502 | Zig:20   | Killed Zuomn the pandemonium lord
290502 | Zig:20   | Noticed Baasoim the pandemonium lord
290502 | Zig:20   | Noticed Yne Eteu the pandemonium lord
290502 | Zig:20   | Noticed Usapt the pandemonium lord
290503 | Zig:20   | Noticed Yguikhloa the pandemonium lord
290503 | Zig:20   | Killed Muam the pandemonium lord
290503 | Zig:20   | Killed Wanub the pandemonium lord
290503 | Zig:20   | Killed Qoros the pandemonium lord
290503 | Zig:20   | Killed Pehethri the pandemonium lord
290503 | Zig:20   | Killed Qeedwel the pandemonium lord
290503 | Zig:20   | Killed Usuf the pandemonium lord
290503 | Zig:20   | Killed Veza the pandemonium lord
290503 | Zig:20   | Killed Taduisch the pandemonium lord
290503 | Zig:20   | Killed Hoshraf the pandemonium lord
290503 | Zig:20   | Killed Muhe the pandemonium lord
290503 | Zig:20   | Noticed Osoumah the pandemonium lord
290504 | Zig:20   | Noticed Lyulir the pandemonium lord
290504 | Zig:20   | Killed Toxenuv the pandemonium lord
290504 | Zig:20   | Killed Inohot the pandemonium lord
290504 | Zig:20   | Killed Ysyiboet the pandemonium lord
290504 | Zig:20   | Killed Giumpora the pandemonium lord
290504 | Zig:20   | Killed Cogg the pandemonium lord
290504 | Zig:20   | Killed Qoevup the pandemonium lord
290504 | Zig:20   | Noticed Goliomm the pandemonium lord
290504 | Zig:20   | Noticed Hieluloroe the pandemonium lord
290504 | Zig:20   | Noticed Kiud the pandemonium lord
290504 | Zig:20   | Noticed Cuitiw the pandemonium lord
290504 | Zig:20   | Noticed Fuhoas the pandemonium lord
290505 | Zig:20   | Killed Ydelees the pandemonium lord
290505 | Zig:20   | Killed Ytimoej the pandemonium lord
290505 | Zig:20   | Killed Eheyhes the pandemonium lord
290505 | Zig:20   | Killed Vun Pey the pandemonium lord
290505 | Zig:20   | Killed Zuhom the pandemonium lord
290505 | Zig:20   | Killed Umpom Cola the pandemonium lord
290505 | Zig:20   | Killed Lutolu Ziofu the pandemonium lord
290505 | Zig:20   | Killed Waiqy the pandemonium lord
290506 | Zig:20   | Killed Umpemu the pandemonium lord
290506 | Zig:20   | Killed Lyulir the pandemonium lord
290506 | Zig:20   | Killed Gixabuw the pandemonium lord
290506 | Zig:20   | Killed Zoiddol the pandemonium lord
290506 | Zig:20   | Killed Dasym the pandemonium lord
290506 | Zig:20   | Noticed Naowag the pandemonium lord
290506 | Zig:20   | Noticed Kulisage the pandemonium lord
290506 | Zig:20   | Noticed Yxkuqeci the pandemonium lord
290506 | Zig:20   | Blown up by Tekuz the pandemonium lord (40 damage)
                  | ... with a bolt of energy
290506 | Zig:20   | Noticed Bodij the pandemonium lord
290506 | Zig:20   | Killed Kegoud the pandemonium lord
290506 | Zig:20   | Gained mutation: You are clumsy. (Dex -2) [mutagenic glow]
290507 | Zig:20   | Noticed Mupiy the pandemonium lord
290507 | Zig:20   | Killed Amad the pandemonium lord
290507 | Zig:20   | Killed Woqeokk the pandemonium lord
290507 | Zig:20   | Killed Mysysung the pandemonium lord
290507 | Zig:20   | Killed Xayrhole the pandemonium lord
290507 | Zig:20   | Noticed Noneneru the pandemonium lord
290507 | Zig:20   | Noticed Osech the pandemonium lord
290508 | Zig:20   | Killed Sumpihong the pandemonium lord
290508 | Zig:20   | Killed Yne Eteu the pandemonium lord
290508 | Zig:20   | Killed Fiaz the pandemonium lord
290508 | Zig:20   | Killed Tekuz the pandemonium lord
290508 | Zig:20   | Killed Leklun the pandemonium lord
290508 | Zig:20   | Killed Zad Kuemm the pandemonium lord
290508 | Zig:20   | Noticed Waecuv the pandemonium lord
290508 | Zig:20   | Killed Baasoim the pandemonium lord
290508 | Zig:20   | Killed Vahey the pandemonium lord
290508 | Zig:20   | Noticed Ribyaf the pandemonium lord
290509 | Zig:20   | Killed Able the pandemonium lord
290509 | Zig:20   | Noticed Causch the pandemonium lord
290509 | Zig:20   | Noticed Erao the pandemonium lord
290510 | Zig:20   | Noticed Titosad the pandemonium lord
290510 | Zig:20   | Killed Dyxokeg the pandemonium lord
290510 | Zig:20   | Noticed Parreub the pandemonium lord
290510 | Zig:20   | Noticed Supi the pandemonium lord
290511 | Zig:20   | Noticed Fomic the pandemonium lord
290511 | Zig:20   | Killed Kiud the pandemonium lord
290511 | Zig:20   | Killed Mieliotu the pandemonium lord
290511 | Zig:20   | Noticed Bezatidi the pandemonium lord
290511 | Zig:20   | Noticed Eprour the pandemonium lord
290512 | Zig:20   | Killed Meruca the pandemonium lord
290512 | Zig:20   | Killed Usapt the pandemonium lord
290512 | Zig:20   | Killed Mochemob the pandemonium lord
290513 | Zig:20   | Killed Voppaz the pandemonium lord
290514 | Zig:20   | Killed Naowag the pandemonium lord
290514 | Zig:20   | Killed Hieluloroe the pandemonium lord
290514 | Zig:20   | Killed Kulisage the pandemonium lord
290514 | Zig:20   | Killed Causch the pandemonium lord
290514 | Zig:20   | Killed Fuhoas the pandemonium lord
290514 | Zig:20   | Killed Yxkuqeci the pandemonium lord
290514 | Zig:20   | Killed Titosad the pandemonium lord
290514 | Zig:20   | Noticed Xudaidaxt the pandemonium lord
290514 | Zig:20   | Noticed Wetauw the pandemonium lord
290514 | Zig:20   | Noticed Belaymm the pandemonium lord
290514 | Zig:20   | Noticed Xykix the pandemonium lord
290514 | Zig:20   | Noticed Ustret the pandemonium lord
290514 | Zig:20   | Noticed Fepot the pandemonium lord
290514 | Zig:20   | Noticed Jayzopof the pandemonium lord
290515 | Zig:20   | Noticed Rocker the pandemonium lord
290515 | Zig:20   | Noticed Retoubob the pandemonium lord
290515 | Zig:20   | Noticed Xoesirchi the pandemonium lord
290516 | Zig:20   | Noticed Akkathriwn the pandemonium lord
290517 | Zig:20   | Killed Yguikhloa the pandemonium lord
290517 | Zig:20   | Killed Goliomm the pandemonium lord
290517 | Zig:20   | Killed Parreub the pandemonium lord
290517 | Zig:20   | Noticed Nusaf the pandemonium lord
290517 | Zig:20   | Noticed Wureopt the pandemonium lord
290517 | Zig:20   | Noticed Zimap Upp the pandemonium lord
290517 | Zig:20   | Killed Osech the pandemonium lord
290517 | Zig:20   | Noticed Tanetuc the pandemonium lord
290518 | Zig:20   | Killed Cuitiw the pandemonium lord
290519 | Zig:20   | Killed Erao the pandemonium lord
290519 | Zig:20   | Noticed Anutrel the pandemonium lord
290519 | Zig:20   | Noticed Zizeorr the pandemonium lord
290519 | Zig:20   | Noticed Pecyima the pandemonium lord
290520 | Zig:20   | Killed Noneneru the pandemonium lord
290520 | Zig:20   | Noticed Zeppotake the pandemonium lord
290520 | Zig:20   | Killed Bodij the pandemonium lord
290521 | Zig:20   | Killed Supi the pandemonium lord
290521 | Zig:20   | Killed Ustret the pandemonium lord
290521 | Zig:20   | Noticed Ocsoomis the pandemonium lord
290521 | Zig:20   | Noticed Qeaqoips the pandemonium lord
290521 | Zig:20   | Noticed Zahytot the pandemonium lord
290522 | Zig:20   | Noticed Axkok the pandemonium lord
290522 | Zig:20   | Killed Nusaf the pandemonium lord
290523 | Zig:20   | Killed Fepot the pandemonium lord
290523 | Zig:20   | Killed Zimap Upp the pandemonium lord
290523 | Zig:20   | Noticed Ruppemio the pandemonium lord
290524 | Zig:20   | Noticed Nucikuc the pandemonium lord
290524 | Zig:20   | Noticed Bogo the pandemonium lord
290525 | Zig:20   | Killed Xykix the pandemonium lord
290525 | Zig:20   | Killed Retoubob the pandemonium lord
290525 | Zig:20   | Noticed Cuiroz the pandemonium lord
290525 | Zig:20   | Noticed Janabuapp the pandemonium lord
290526 | Zig:20   | Noticed Izauvoiwk the pandemonium lord
290526 | Zig:20   | Noticed Kagojira the pandemonium lord
290526 | Zig:20   | Killed Waecuv the pandemonium lord
290526 | Zig:20   | Killed Eprour the pandemonium lord
290526 | Zig:20   | Killed Mupiy the pandemonium lord
290526 | Zig:20   | Killed from afar by Ceupnit the pandemonium lord (35
                  | damage)
                  | ... with an arc of chain lightning
290526 | Zig:20   | Killed Fomic the pandemonium lord
290526 | Zig:20   | Killed Xoesirchi the pandemonium lord
290526 | Zig:20   | Killed Tanetuc the pandemonium lord
290526 | Zig:20   | Noticed Kanwes the pandemonium lord
290527 | Zig:20   | Killed Ceupnit the pandemonium lord
290527 | Zig:20   | Noticed Bokke the pandemonium lord
290528 | Zig:20   | Noticed Rapnuorr the pandemonium lord
290528 | Zig:20   | Killed Ribyaf the pandemonium lord
290528 | Zig:20   | Noticed Keryusoc the pandemonium lord
290528 | Zig:20   | Noticed Sohoxkes the pandemonium lord
290528 | Zig:20   | Killed Zizeorr the pandemonium lord
290528 | Zig:20   | Killed Akkathriwn the pandemonium lord
290531 | Zig:20   | Noticed Noluix the pandemonium lord
290533 | Zig:20   | Noticed Tutosch the pandemonium lord
290535 | Zig:20   | Noticed Xuerchuff the pandemonium lord
290536 | Zig:20   | Killed Xudaidaxt the pandemonium lord
290538 | Zig:20   | Noticed Gaghof the pandemonium lord
290538 | Zig:20   | Noticed Yckuj the pandemonium lord
290538 | Zig:20   | Noticed Haorph the pandemonium lord
290538 | Zig:20   | Noticed Fuawexy the pandemonium lord
290538 | Zig:20   | HP: 9/199 [Killer Klown/+9 club of electrocution (5)]
290539 | Zig:20   | Killed Wureopt the pandemonium lord
290539 | Zig:20   | Slain by Janabuapp the pandemonium lord (11 damage)
290540 | Zig:20   | Noticed Ralego the pandemonium lord
290540 | Zig:20   | Gained mutation: Your spells are a little easier to cast,
                  | but a little less powerful. [mutagenic glow]
290541 | Zig:20   | Killed Xuerchuff the pandemonium lord
290541 | Zig:20   | Killed Wetauw the pandemonium lord
290541 | Zig:20   | Killed Axkok the pandemonium lord
290541 | Zig:20   | Killed Bezatidi the pandemonium lord
290542 | Zig:20   | Killed Belaymm the pandemonium lord
290543 | Zig:20   | Killed Kanwes the pandemonium lord
290543 | Zig:20   | Noticed Pudomm the pandemonium lord
290544 | Zig:20   | Killed Ocsoomis the pandemonium lord
290545 | Zig:20   | Killed Bokke the pandemonium lord
290546 | Zig:20   | Killed Qeaqoips the pandemonium lord
290546 | Zig:20   | Killed Janabuapp the pandemonium lord
290546 | Zig:20   | Noticed Guahecox the pandemonium lord
290547 | Zig:20   | Killed Zahytot the pandemonium lord
290547 | Zig:20   | Killed Tutosch the pandemonium lord
290547 | Zig:20   | Noticed Pituel the pandemonium lord
290548 | Zig:20   | Killed Bogo the pandemonium lord
290549 | Zig:20   | Killed Ruppemio the pandemonium lord
290549 | Zig:20   | Killed Pecyima the pandemonium lord
290549 | Zig:20   | Killed Izauvoiwk the pandemonium lord
290549 | Zig:20   | Killed Yckuj the pandemonium lord
290549 | Zig:20   | Killed Cuiroz the pandemonium lord
290549 | Zig:20   | Killed from afar by Noluix the pandemonium lord (27 damage)
                  | ... with a lance of force
290549 | Zig:20   | Killed Kagojira the pandemonium lord
290550 | Zig:20   | Killed Haorph the pandemonium lord
290550 | Zig:20   | Killed Pudomm the pandemonium lord
290550 | Zig:20   | Killed Ralego the pandemonium lord
290550 | Zig:20   | Killed Osoumah the pandemonium lord
290550 | Zig:20   | Gained mutation: Your spells are easier to cast, but less
                  | powerful. [mutagenic glow]
290551 | Zig:20   | Killed Fuawexy the pandemonium lord
290551 | Zig:20   | Noticed Myff the pandemonium lord
290552 | Zig:20   | Killed Sohoxkes the pandemonium lord
290552 | Zig:20   | Killed Pituel the pandemonium lord
290552 | Zig:20   | Killed Keryusoc the pandemonium lord
290553 | Zig:20   | Killed Rapnuorr the pandemonium lord
290554 | Zig:20   | Killed Noluix the pandemonium lord
290555 | Zig:20   | Killed Anutrel the pandemonium lord
290556 | Zig:20   | Killed Zeppotake the pandemonium lord
290556 | Zig:20   | Killed Rocker the pandemonium lord
290557 | Zig:20   | Killed Guahecox the pandemonium lord
290557 | Zig:20   | Killed Gaghof the pandemonium lord
290559 | Zig:20   | Killed Jayzopof the pandemonium lord
290559 | Zig:20   | Noticed Kashi the pandemonium lord
290561 | Zig:20   | Noticed Teil the pandemonium lord
290561 | Zig:20   | Noticed Sotoxzyita the pandemonium lord
290562 | Zig:20   | Killed Nucikuc the pandemonium lord
290564 | Zig:20   | Killed Myff the pandemonium lord
290574 | Zig:20   | Killed Kashi the pandemonium lord
290574 | Zig:20   | Noticed Nannoikopt the pandemonium lord
290575 | Zig:20   | Noticed Pucac the pandemonium lord
290577 | Zig:20   | Noticed Hegezy the pandemonium lord
290578 | Zig:20   | Killed from afar by Pucac the pandemonium lord (92 damage)
                  | ... with a great blast of fire
290578 | Zig:20   | Killed Teil the pandemonium lord
290588 | Zig:20   | Killed Nannoikopt the pandemonium lord
290597 | Zig:20   | Killed Hegezy the pandemonium lord
290604 | Zig:20   | Killed Pucac the pandemonium lord
290627 | Zig:20   | Killed Sotoxzyita the pandemonium lord
290646 | Zig:20   | Lost mutation: You are clumsy. (Dex -2) [potion of
                  | mutation]
290646 | Zig:20   | Lost mutation: You are partially covered in iridescent
                  | scales. (AC +2) [potion of mutation]
290646 | Zig:20   | Gained mutation: Your magical capacity is very low. (-20%
                  | MP) [potion of mutation]
290646 | Zig:20   | Gained mutation: Your mind is acute. (Int +4, Str/Dex -1)
                  | [potion of mutation]
290647 | Zig:20   | Lost mutation: Your mind is acute. (Int +4, Str/Dex -1)
                  | [potion of mutation]
290647 | Zig:20   | Lost mutation: Your spells are easier to cast, but less
                  | powerful. [potion of mutation]
290647 | Zig:20   | Lost mutation: Your spells are a little easier to cast, but
                  | a little less powerful. [potion of mutation]
290648 | Zig:20   | Lost mutation: Your magical capacity is very low. (-20% MP)
                  | [potion of mutation]
290648 | Zig:20   | Lost mutation: You frequently scream uncontrollably at your
                  | foes. [potion of mutation]
290648 | Zig:20   | Gained mutation: Your muscles are strong. (Str +4, Int/Dex
                  | -1) [potion of mutation]
290649 | Zig:20   | Lost mutation: You expend magic power (3 MP) to strengthen
                  | your wands. [potion of mutation]
290649 | Zig:20   | Lost mutation: Your muscles are strong. (Str +4, Int/Dex
                  | -1) [potion of mutation]
290649 | Zig:20   | Lost mutation: Your flesh is cold resistant. (rC+) [potion
                  | of mutation]
290649 | Zig:20   | Gained mutation: You are robust. (+10% HP) [potion of
                  | mutation]
290650 | Zig:20   | Lost mutation: Your magical capacity is low. (-10% MP)
                  | [potion of mutation]
290650 | Zig:20   | Lost mutation: You occasionally shout uncontrollably at
                  | your foes. [potion of mutation]
290650 | Zig:20   | Gained mutation: You are dopey. (Int -2) [potion of
                  | mutation]
290650 | Zig:20   | Gained mutation: You are partially covered in iridescent
                  | scales. (AC +2) [potion of mutation]
290651 | Zig:20   | Lost mutation: You passively map a small area around you.
                  | [potion of mutation]
290651 | Zig:20   | Lost mutation: You are partially covered in iridescent
                  | scales. (AC +2) [potion of mutation]
290651 | Zig:20   | Lost mutation: You are robust. (+10% HP) [potion of
                  | mutation]
290651 | Zig:20   | Gained mutation: You have large cloven feet. [potion of
                  | mutation]
290651 | Zig:20   | Gained mutation: You have a pair of small antennae on your
                  | head. [potion of mutation]
290652 | Zig:20   | Lost mutation: You are dopey. (Int -2) [potion of mutation]
290652 | Zig:20   | Lost mutation: You have a pair of small antennae on your
                  | head. [potion of mutation]
290652 | Zig:20   | Lost mutation: You have large cloven feet. [potion of
                  | mutation]
290652 | Zig:20   | Gained mutation: You occasionally shout uncontrollably at
                  | your foes. [potion of mutation]
290652 | Zig:20   | Gained mutation: Your spells are a little easier to cast,
                  | but a little less powerful. [potion of mutation]
290652 | Zig:20   | Gained mutation: You expend magic power (3 MP) to
                  | strengthen your wands. [potion of mutation]
290653 | Zig:20   | Lost mutation: You occasionally shout uncontrollably at
                  | your foes. [potion of mutation]
290653 | Zig:20   | Lost mutation: Your spells are a little easier to cast, but
                  | a little less powerful. [potion of mutation]
290653 | Zig:20   | Lost mutation: You expend magic power (3 MP) to strengthen
                  | your wands. [potion of mutation]
290653 | Zig:20   | Gained mutation: You are clumsy. (Dex -2) [potion of
                  | mutation]
290653 | Zig:20   | Gained mutation: You are somewhat resistant to further
                  | mutation. [potion of mutation]
290654 | Zig:20   | Lost mutation: You are clumsy. (Dex -2) [potion of
                  | mutation]
290654 | Zig:20   | Lost mutation: You are somewhat resistant to further
                  | mutation. [potion of mutation]
290654 | Zig:20   | Gained mutation: You have large cloven feet. [potion of
                  | mutation]
290654 | Zig:20   | Gained mutation: Your spells are a little easier to cast,
                  | but a little less powerful. [potion of mutation]
290654 | Zig:20   | Gained mutation: Armour fits poorly on your strangely
                  | shaped body. [potion of mutation]
290655 | Zig:20   | Lost mutation: Armour fits poorly on your strangely shaped
                  | body. [potion of mutation]
290655 | Zig:20   | Lost mutation: You have large cloven feet. [potion of
                  | mutation]
290655 | Zig:20   | Gained mutation: You have a pair of small horns on your
                  | head. [potion of mutation]
290655 | Zig:20   | Lost mutation: Your spells are a little easier to cast, but
                  | a little less powerful. [potion of mutation]
290655 | Zig:20   | Gained mutation: Your natural rate of healing is unusually
                  | fast. [potion of mutation]
290656 | Zig:20   | Lost mutation: Your natural rate of healing is unusually
                  | fast. [potion of mutation]
290656 | Zig:20   | Lost mutation: You have a pair of small horns on your head.
                  | [potion of mutation]
290656 | Zig:20   | Gained mutation: You sometimes lose your temper in combat.
                  | [potion of mutation]
290656 | Zig:20   | Gained mutation: You are dopey. (Int -2) [potion of
                  | mutation]
290656 | Zig:20   | Gained mutation: You are weak. (Str -2) [potion of
                  | mutation]
290656 | Zig:20   | Lost mutation: You are dopey. (Int -2) [potion of mutation]
290657 | Zig:20   | Lost mutation: You sometimes lose your temper in combat.
                  | [potion of mutation]
290657 | Zig:20   | Lost mutation: You are weak. (Str -2) [potion of mutation]
290657 | Zig:20   | Gained mutation: You passively map a small area around you.
                  | [potion of mutation]
290658 | Zig:20   | Lost mutation: You passively map a small area around you.
                  | [potion of mutation]
290658 | Zig:20   | Gained mutation: You are clumsy. (Dex -2) [potion of
                  | mutation]
290658 | Zig:20   | Gained mutation: You possess an exceptional clarity of
                  | mind. [potion of mutation]
290658 | Zig:20   | Gained mutation: You have hidden genetic potential. [potion
                  | of mutation]
290658 | Zig:20   | Gained mutation: You have a somewhat thin skeletal
                  | structure. (Dex +2, Stealth+) [potion of mutation]
290849 | Zig:20   | Identified the staff of fire "Qosuof" {rF+ rN+}
290863 | Zig:20   | Identified the staff of poison "Qeiteq" {Contam rPois rN+++
                  | Int+3 Dex+2}
290867 | Zig:20   | Identified the +6 war axe "Solytodd" {heavy, Str+3}
290878 | Zig:20   | Identified the +2 flail "Kaedont" {speed, rCorr Int+2}
290900 | Zig:20   | Identified the +7 battleaxe of Accord {heavy, Str+2}
290901 | Zig:20   | Identified the +0 arbalest of the Morning {penet, rN+
                  | Dex+4}
290924 | Zig:21   | Entered Level 21 of a ziggurat
290938 | Zig:21   | Killed from afar by a black draconian knight (17 damage)
                  | ... with a bolt of lightning
290946 | Zig:21   | HP: 9/199 [green draconian monk (17)]
290946 | Zig:21   | HP: 2/199 [green draconian monk (7)]
290948 | Zig:21   | Killed from afar by a black draconian knight (4 damage)
                  | ... with a bolt of lightning
290948 | Zig:21   | Gained mutation: You are partially covered in iridescent
                  | scales. (AC +2) [hidden potential]
290958 | Zig:21   | HP: 7/199 [white draconian stormcaller/divine providence
                  | (13)]
290958 | Zig:21   | Killed by divine providence
                  | ... invoked by a white draconian stormcaller
                  | (14 damage)
290970 | Zig:21   | HP: 7/199 [white draconian stormcaller/divine providence
                  | (14)]
290970 | Zig:21   | Slain by a black draconian knight
                  | ... wielding a +0 glaive of venom
                  | (12 damage)
291006 | Zig:21   | Killed from afar by a yellow draconian annihilator (48
                  | damage)
                  | ... with a crystal spear
291233 | Zig:21   | Identified the +11 triple crossbow "Deestrec" {penet,
                  | Dex+5}
291247 | Zig:21   | Identified the +6 sling of Adaw {flame, Str-2 Int+9}
291260 | Zig:21   | Identified the +3 great sword "Pavot" {heavy, Dex+3}
291269 | Zig:21   | Identified the +1 ring mail "Forhoun" {-Cast rCorr Str+4
                  | Dex+5}
291270 | Zig:21   | Identified the +8 shortbow of Qoarra {flame, rElec rPois
                  | rF-}
291403 | Zig:21   | Identified the +4 war axe "Gexutaan" {drain, Will+ Int+5}
291404 | Zig:21   | Identified the +10 plate armour "Hury" {rElec}
291414 | Zig:21   | Identified the +7 crystal plate armour of Usappeg {MP+9}
291416 | Zig:21   | Identified the +9 bardiche "Xenuin" {speed, rC+ Int+2}
291435 | Zig:22   | Entered Level 22 of a ziggurat
291449 | Zig:22   | Gained mutation: You have sharp toenails. [hidden
                  | potential]
291449 | Zig:22   | Lost mutation: You have hidden genetic potential. [hidden
                  | potential expressed]
291471 | Zig:22   | HP: 3/199 [sphinx/divine providence[a demonspawn corrupter]
                  | (13)]
291471 | Zig:22   | Killed by divine providence
                  | ... invoked by a white draconian stormcaller
                  | ... summoned by a demonspawn corrupter
                  | (12 damage)
291496 | Zig:22   | Killed from afar by a crystal echidna (40 damage)
                  | ... with a crystal bolt
291543 | Zig:22   | Killed from afar by a starcursed mass (14 damage)
                  | ... with an accursed screaming
291543 | Zig:22   | Paralysed by accursed screaming for 2 turns
291680 | Zig:22   | HP: 9/199 [starcursed mass/accursed screaming (9)]
291682 | Zig:22   | HP: 3/199 [starcursed mass/accursed screaming (7)]
291686 | Zig:22   | Killed from afar by a starcursed mass (11 damage)
                  | ... with an accursed screaming
291796 | Zig:22   | Killed a starcursed mass
292080 | Zig:22   | Identified the staff of death "Veceel" {rF+ rN+}
292085 | Zig:22   | Identified the +2 helmet of Parlour Games {rN+}
292088 | Zig:22   | Identified the ring of Desertification {rPois rN++ Str+2
                  | Dex-3 SInv}
292092 | Zig:22   | Identified the +6 quarterstaff "Ysmag" {holy, Int+4}
292098 | Zig:22   | Identified the staff of death "Muir" {+Blink rElec rF- rC+
                  | rN+}
292115 | Zig:22   | Identified the amulet of the Invisible Hand {Reflect +Blink
                  | rC- Will+ Str+3 SH+5}
292145 | Zig:22   | Identified the +4 falchion "Quso" {protect, Will+ Dex+2}
292146 | Zig:22   | Identified the scarf "Igokhoyd" {+Inv, rPois rC+ Dex+5}
292150 | Zig:22   | Identified the staff of air "Kusmok" {rElec rC+}
292158 | Zig:22   | Identified the +0 chain mail "Pacrit" {Will- Dex+3 Stlth+}
292163 | Zig:23   | Entered Level 23 of a ziggurat
292275 | Zig:23   | Lost mutation: You possess an exceptional clarity of mind.
                  | [potion of mutation]
292275 | Zig:23   | Lost mutation: You have sharp toenails. [potion of
                  | mutation]
292275 | Zig:23   | Gained mutation: Armour fits poorly on your strangely
                  | shaped body. [potion of mutation]
292275 | Zig:23   | Gained mutation: You are covered in fur. (AC +1) [potion of
                  | mutation]
292276 | Zig:23   | Lost mutation: You are covered in fur. (AC +1) [potion of
                  | mutation]
292276 | Zig:23   | Lost mutation: You are partially covered in iridescent
                  | scales. (AC +2) [potion of mutation]
292276 | Zig:23   | Lost mutation: Armour fits poorly on your strangely shaped
                  | body. [potion of mutation]
292276 | Zig:23   | Gained mutation: You expend magic power (3 MP) to
                  | strengthen your wands. [potion of mutation]
292276 | Zig:23   | Gained mutation: Your body sometimes deteriorates upon
                  | taking damage. [potion of mutation]
292277 | Zig:23   | Lost mutation: You are clumsy. (Dex -2) [potion of
                  | mutation]
292277 | Zig:23   | Lost mutation: You have a somewhat thin skeletal structure.
                  | (Dex +2, Stealth+) [potion of mutation]
292277 | Zig:23   | Lost mutation: You expend magic power (3 MP) to strengthen
                  | your wands. [potion of mutation]
292277 | Zig:23   | Gained mutation: You are somewhat resistant to further
                  | mutation. [potion of mutation]
292278 | Zig:23   | Lost mutation: Your body sometimes deteriorates upon taking
                  | damage. [potion of mutation]
292278 | Zig:23   | Lost mutation: You are somewhat resistant to further
                  | mutation. [potion of mutation]
292278 | Zig:23   | Gained mutation: Your body sometimes deteriorates upon
                  | taking damage. [potion of mutation]
292278 | Zig:23   | Gained mutation: You have a pair of small horns on your
                  | head. [potion of mutation]
292278 | Zig:23   | Gained mutation: You possess an exceptional clarity of
                  | mind. [potion of mutation]
292279 | Zig:23   | Lost mutation: You possess an exceptional clarity of mind.
                  | [potion of mutation]
292279 | Zig:23   | Lost mutation: Your body sometimes deteriorates upon taking
                  | damage. [potion of mutation]
292279 | Zig:23   | Lost mutation: You have a pair of small horns on your head.
                  | [potion of mutation]
292279 | Zig:23   | Gained mutation: You are agile. (Dex +4, Str/Int -1)
                  | [potion of mutation]
292279 | Zig:23   | Gained mutation: You have a somewhat thin skeletal
                  | structure. (Dex +2, Stealth+) [potion of mutation]
292280 | Zig:23   | Lost mutation: You are agile. (Dex +4, Str/Int -1) [potion
                  | of mutation]
292280 | Zig:23   | Lost mutation: You have a somewhat thin skeletal structure.
                  | (Dex +2, Stealth+) [potion of mutation]
292280 | Zig:23   | Gained mutation: You are weak. (Str -2) [potion of
                  | mutation]
292280 | Zig:23   | Gained mutation: Your magical capacity is low. (-10% MP)
                  | [potion of mutation]
292281 | Zig:23   | Lost mutation: You are weak. (Str -2) [potion of mutation]
292281 | Zig:23   | Lost mutation: Your magical capacity is low. (-10% MP)
                  | [potion of mutation]
292281 | Zig:23   | Gained mutation: You have a pair of small antennae on your
                  | head. [potion of mutation]
292281 | Zig:23   | Gained mutation: You are agile. (Dex +4, Str/Int -1)
                  | [potion of mutation]
292281 | Zig:23   | Gained mutation: Your spells are a little harder to cast,
                  | but a little more powerful. [potion of mutation]
292282 | Zig:23   | Lost mutation: You have a pair of small antennae on your
                  | head. [potion of mutation]
292282 | Zig:23   | Lost mutation: Your spells are a little harder to cast, but
                  | a little more powerful. [potion of mutation]
292282 | Zig:23   | Gained mutation: Your magical capacity is low. (-10% MP)
                  | [potion of mutation]
292282 | Zig:23   | Gained mutation: You are weak. (Str -2) [potion of
                  | mutation]
292282 | Zig:23   | Gained mutation: You have hidden genetic defects. [potion
                  | of mutation]
292282 | Zig:23   | Gained mutation: You are robust. (+10% HP) [potion of
                  | mutation]
292283 | Zig:23   | Lost mutation: You are weak. (Str -2) [potion of mutation]
292283 | Zig:23   | Lost mutation: Your magical capacity is low. (-10% MP)
                  | [potion of mutation]
292283 | Zig:23   | Gained mutation: Your spells are a little harder to cast,
                  | but a little more powerful. [potion of mutation]
292283 | Zig:23   | Gained mutation: Your mind is acute. (Int +4, Str/Dex -1)
                  | [potion of mutation]
292283 | Zig:23   | Gained mutation: Your spells are harder to cast, but more
                  | powerful. [potion of mutation]
292284 | Zig:23   | Lost mutation: Your spells are harder to cast, but more
                  | powerful. [potion of mutation]
292284 | Zig:23   | Lost mutation: You have hidden genetic defects. [potion of
                  | mutation]
292284 | Zig:23   | Lost mutation: Your mind is acute. (Int +4, Str/Dex -1)
                  | [potion of mutation]
292284 | Zig:23   | Gained mutation: Your skin changes colour to match your
                  | surroundings (Stealth+). [potion of mutation]
292284 | Zig:23   | Gained mutation: You passively dampen the noise of your
                  | surroundings. [potion of mutation]
292297 | Zig:23   | Killed by an exploding demonspawn warmonger (40 damage)
                  | ... ignited by their inner flame
292302 | Zig:23   | HP: 9/218 [Hell Sentinel (15)]
292303 | Zig:23   | Mangled by an Executioner (17 damage)
292309 | Zig:23   | HP: 5/218 [Hell Sentinel (9)]
292310 | Zig:23   | Killed by divine providence
                  | ... invoked by a balrug
                  | (11 damage)
292316 | Zig:23   | Killed from afar by a Hell Sentinel (53 damage)
                  | ... with an iron shot
292324 | Zig:23   | HP: 9/218 [Hell Sentinel/damnation (25)]
292326 | Zig:23   | Killed by an exploding demonspawn blood saint (11 damage)
                  | ... ignited by their inner flame
292339 | Zig:23   | HP: 1/218 [Ice Fiend/bolt of cold (11)]
292339 | Zig:23   | Killed from afar by a Hell Sentinel (34 damage)
                  | ... with damnation
292359 | Zig:23   | HP: 1/218 [balrug/divine providence (14)]
292360 | Zig:23   | Gained mutation: Your body sometimes deteriorates upon
                  | taking damage. [a cacodemon]
292360 | Zig:23   | Killed from afar by an Ice Fiend (8 damage)
                  | ... with a bolt of cold
292374 | Zig:23   | HP: 7/218 [hellion/damnation (33)]
292375 | Zig:23   | Killed from afar by a hellion (37 damage)
                  | ... with damnation
292376 | Zig:23   | Noticed Tazas the pandemonium lord
292379 | Zig:23   | a rockslime changed into a juggernaut
292379 | Zig:23   | Noticed a juggernaut
292381 | Zig:23   | Killed from afar by a Brimstone Fiend (23 damage)
                  | ... with damnation
292384 | Zig:23   | Killed Tazas the pandemonium lord
292391 | Zig:23   | Killed from afar by a Hell Sentinel (46 damage)
                  | ... with damnation
292402 | Zig:23   | HP: 7/218 [Hell Sentinel (9)]
292404 | Zig:23   | Mangled by a Hell Sentinel (21 damage)
292411 | Zig:23   | Killed from afar by a Hell Sentinel (37 damage)
                  | ... with damnation
292448 | Zig:23   | HP: 9/218 [something (3)]
292453 | Zig:23   | HP: 6/218 [demonspawn black sun/+2 glaive of venom (4)]
292460 | Zig:23   | Killed from afar by a hellion (29 damage)
                  | ... with damnation
292472 | Zig:23   | Paralysed by a wendigo for 1 turns
292484 | Zig:23   | HP: 9/218 [smoke demon/divine providence (12)]
292486 | Zig:23   | Killed by the air
                  | ... invoked by a blizzard demon
                  | (16 damage)
292519 | Zig:23   | Identified the staff of poison "Epazua" {Contam rPois rF+
                  | rN+ rCorr}
292523 | Zig:23   | Identified the +8 rapier "Javufus" {holy, Int+3}
292729 | Zig:23   | Identified the +5 falchion of Ruination {pain, Str+6}
292732 | Zig:23   | Identified the +1 rapier "Azxuing" {drain, Str+3 SInv}
292741 | Zig:23   | Identified the +0 ring mail of Sonaq {rC- Str+2 SInv}
292742 | Zig:23   | Identified the +3 chain mail "Begeh" {Fly rPois Will+}
292772 | Zig:23   | Identified the amulet of Wu Jian's Generosity {Acrobat rF-
                  | Regen+ Dex+2}
292786 | Zig:23   | Identified the +5 glaive of Bread {freeze, *Rage rN+ Str+2}
292787 | Zig:23   | Identified the +6 morningstar of Kinaps {protect, Str+3}
292804 | Zig:23   | Identified the ring of Vehumet's Reproof {rC+ Int+4}
292816 | Zig:24   | Entered Level 24 of a ziggurat
292825 | Zig:24   | Demolished by a searing wretch (31 damage)
292830 | Zig:24   | HP: 5/218 [Brimstone Fiend/damnation (25)]
292830 | Zig:24   | Killed by divine providence
                  | ... invoked by a balrug
                  | (11 damage)
292833 | Zig:24   | Killed from afar by a balrug (9 damage)
                  | ... with a bolt of fire
292839 | Zig:24   | Killed from afar by a hellephant (77 damage)
                  | ... with a blast of flame
292842 | Zig:24   | HP: 7/218 [Brimstone Fiend/damnation (34)]
292842 | Zig:24   | Killed by divine providence
                  | ... invoked by a balrug
                  | (13 damage)
292847 | Zig:24   | HP: 2/218 [hellephant/blast of flame (46)]
292847 | Zig:24   | Slain by a searing wretch (4 damage)
292852 | Zig:24   | HP: 9/218 [balrug/divine providence (13)]
292853 | Zig:24   | Slain by a searing wretch (8 damage)
292857 | Zig:24   | HP: 4/218 [Brimstone Fiend (8)]
292857 | Zig:24   | Killed by divine providence
                  | ... invoked by a balrug
                  | (9 damage)
292861 | Zig:24   | Killed from afar by a hellephant (109 damage)
                  | ... with a blast of flame
292867 | Zig:24   | Killed from afar by a hellephant (75 damage)
                  | ... with a blast of flame
292869 | Zig:24   | Killed from afar by a hellion (20 damage)
                  | ... with damnation
292871 | Zig:24   | HP: 4/218 [balrug/divine providence (16)]
292872 | Zig:24   | Incinerated by a searing wretch (6 damage)
292877 | Zig:24   | HP: 9/218 [balrug/divine providence (10)]
292878 | Zig:24   | Killed from afar by a hellephant (21 damage)
                  | ... with a blast of flame
292883 | Zig:24   | Killed from afar by a balrug (37 damage)
                  | ... with a fireball
292885 | Zig:24   | HP: 5/218 [balrug/divine providence (10)]
292886 | Zig:24   | Killed by divine providence
                  | ... invoked by a balrug
                  | (10 damage)
292889 | Zig:24   | Killed from afar by a balrug (72 damage)
                  | ... with a bolt of fire
292890 | Zig:24   | Killed from afar by a balrug (78 damage)
                  | ... with a fireball
292896 | Zig:24   | HP: 9/218 [balrug/divine providence (12)]
292896 | Zig:24   | Killed by divine providence
                  | ... invoked by a balrug
                  | (9 damage)
292902 | Zig:24   | HP: 9/218 [hellephant/blast of flame (72)]
292904 | Zig:24   | Killed from afar by a balrug (10 damage)
                  | ... with a sticky flame
292910 | Zig:24   | HP: 2/218 [hellephant/blast of flame (31)]
292911 | Zig:24   | Killed by divine providence
                  | ... invoked by a balrug
                  | (11 damage)
292916 | Zig:24   | Killed from afar by a Brimstone Fiend (26 damage)
                  | ... with damnation
292925 | Zig:24   | Killed from afar by a hellephant (72 damage)
                  | ... with a blast of flame
293107 | Zig:24   | Identified the staff of cold "Dirr" {Contam rElec rC+ rN+
                  | SInv}
293119 | Zig:24   | Identified the amulet "Noen Xue" {Acrobat Rampage *Slow
                  | Str+6 Dex+3}
293122 | Zig:24   | Identified the staff of earth "Bovuwneitt" {Int+3 Dex+3}
293139 | Zig:24   | Identified the staff of conjuration "Moczawycua" {Int+2}
293146 | Zig:25   | Entered Level 25 of a ziggurat
293149 | Zig:25   | Noticed a juggernaut
293152 | Zig:25   | Noticed a juggernaut
293153 | Zig:25   | Noticed a juggernaut
293153 | Zig:25   | Noticed a juggernaut
293153 | Zig:25   | Noticed a juggernaut
293153 | Zig:25   | Noticed a juggernaut
293153 | Zig:25   | Noticed a juggernaut
293153 | Zig:25   | Noticed a juggernaut
293153 | Zig:25   | Noticed a juggernaut
293153 | Zig:25   | Noticed a juggernaut
293153 | Zig:25   | Noticed a juggernaut
293153 | Zig:25   | Noticed a juggernaut
293153 | Zig:25   | Noticed a juggernaut
293153 | Zig:25   | Noticed a juggernaut
293153 | Zig:25   | Noticed a juggernaut
293153 | Zig:25   | Noticed a juggernaut
293153 | Zig:25   | Noticed a juggernaut
293153 | Zig:25   | Noticed a juggernaut
293153 | Zig:25   | Noticed a juggernaut
293153 | Zig:25   | Noticed a juggernaut
293154 | Zig:25   | Noticed a juggernaut
293154 | Zig:25   | Killed a juggernaut
293154 | Zig:25   | Killed a juggernaut
293154 | Zig:25   | Killed a juggernaut
293154 | Zig:25   | Killed a juggernaut
293154 | Zig:25   | Killed a juggernaut
293154 | Zig:25   | Killed a juggernaut
293154 | Zig:25   | Killed a juggernaut
293154 | Zig:25   | Killed a juggernaut
293154 | Zig:25   | Killed a juggernaut
293154 | Zig:25   | Killed a juggernaut
293154 | Zig:25   | Killed a juggernaut
293154 | Zig:25   | Killed a juggernaut
293154 | Zig:25   | Killed a juggernaut
293154 | Zig:25   | Killed a juggernaut
293154 | Zig:25   | Killed a juggernaut
293154 | Zig:25   | Noticed a juggernaut
293155 | Zig:25   | Noticed a juggernaut
293155 | Zig:25   | Noticed a juggernaut
293155 | Zig:25   | Killed a juggernaut
293155 | Zig:25   | Killed a juggernaut
293155 | Zig:25   | Killed a juggernaut
293155 | Zig:25   | Killed a juggernaut
293155 | Zig:25   | Killed a juggernaut
293155 | Zig:25   | Killed a juggernaut
293155 | Zig:25   | Killed a juggernaut
293156 | Zig:25   | Noticed a juggernaut
293156 | Zig:25   | Noticed a juggernaut
293157 | Zig:25   | Killed a juggernaut
293158 | Zig:25   | Noticed a juggernaut
293158 | Zig:25   | Noticed a juggernaut
293159 | Zig:25   | Noticed a juggernaut
293159 | Zig:25   | Killed a juggernaut
293160 | Zig:25   | Noticed a juggernaut
293161 | Zig:25   | Noticed a juggernaut
293161 | Zig:25   | Noticed a juggernaut
293161 | Zig:25   | Killed a juggernaut
293161 | Zig:25   | Noticed a juggernaut
293161 | Zig:25   | Noticed a juggernaut
293162 | Zig:25   | Noticed a juggernaut
293162 | Zig:25   | Noticed a juggernaut
293162 | Zig:25   | Noticed a juggernaut
293162 | Zig:25   | Killed a juggernaut
293163 | Zig:25   | Noticed a juggernaut
293165 | Zig:25   | Killed a juggernaut
293165 | Zig:25   | Killed a juggernaut
293167 | Zig:25   | Killed a juggernaut
293167 | Zig:25   | Killed a juggernaut
293168 | Zig:25   | Noticed a juggernaut
293168 | Zig:25   | Noticed a juggernaut
293169 | Zig:25   | Killed a juggernaut
293169 | Zig:25   | Killed a juggernaut
293169 | Zig:25   | Killed a juggernaut
293169 | Zig:25   | Killed a juggernaut
293170 | Zig:25   | Killed a juggernaut
293170 | Zig:25   | Killed a juggernaut
293170 | Zig:25   | Killed a juggernaut
293173 | Zig:25   | Noticed a juggernaut
293173 | Zig:25   | Noticed a juggernaut
293174 | Zig:25   | Noticed a juggernaut
293174 | Zig:25   | Noticed a juggernaut
293176 | Zig:25   | Noticed a juggernaut
293176 | Zig:25   | HP: 10/218 [orc high priest/divine providence (12)]
293176 | Zig:25   | Noticed a juggernaut
293176 | Zig:25   | Noticed a juggernaut
293177 | Zig:25   | Noticed a juggernaut
293177 | Zig:25   | Killed by divine providence
                  | ... invoked by an orc high priest
                  | (13 damage)
293179 | Zig:25   | Noticed a juggernaut
293180 | Zig:25   | Noticed a juggernaut
293183 | Zig:25   | Noticed a juggernaut
293183 | Zig:25   | Noticed a juggernaut
293184 | Zig:25   | Killed a juggernaut
293185 | Zig:25   | Noticed a juggernaut
293186 | Zig:25   | Killed a juggernaut
293186 | Zig:25   | Noticed a juggernaut
293187 | Zig:25   | Killed a juggernaut
293189 | Zig:25   | Killed a juggernaut
293189 | Zig:25   | Noticed a juggernaut
293189 | Zig:25   | Noticed a juggernaut
293189 | Zig:25   | Noticed a juggernaut
293191 | Zig:25   | Killed a juggernaut
293192 | Zig:25   | Killed a juggernaut
293193 | Zig:25   | Killed a juggernaut
293193 | Zig:25   | Killed a juggernaut
293193 | Zig:25   | Killed a juggernaut
293194 | Zig:25   | Noticed a juggernaut
293194 | Zig:25   | Killed a juggernaut
293194 | Zig:25   | Killed a juggernaut
293195 | Zig:25   | Noticed a juggernaut
293196 | Zig:25   | Killed a juggernaut
293196 | Zig:25   | Killed a juggernaut
293197 | Zig:25   | Killed a juggernaut
293197 | Zig:25   | Killed a juggernaut
293197 | Zig:25   | Killed a juggernaut
293199 | Zig:25   | Killed a juggernaut
293203 | Zig:25   | Killed a juggernaut
293203 | Zig:25   | Killed a juggernaut
293204 | Zig:25   | Noticed a juggernaut
293204 | Zig:25   | Noticed a juggernaut
293205 | Zig:25   | Killed a juggernaut
293205 | Zig:25   | Noticed a juggernaut
293205 | Zig:25   | Noticed a juggernaut
293205 | Zig:25   | Noticed a juggernaut
293207 | Zig:25   | Noticed a juggernaut
293211 | Zig:25   | Noticed a juggernaut
293213 | Zig:25   | Noticed a juggernaut
293214 | Zig:25   | Killed a juggernaut
293214 | Zig:25   | Killed a juggernaut
293218 | Zig:25   | Killed a juggernaut
293218 | Zig:25   | Noticed a juggernaut
293218 | Zig:25   | Noticed a juggernaut
293219 | Zig:25   | Killed a juggernaut
293219 | Zig:25   | Noticed a juggernaut
293220 | Zig:25   | Killed a juggernaut
293220 | Zig:25   | Noticed a juggernaut
293220 | Zig:25   | Killed a juggernaut
293221 | Zig:25   | Noticed a juggernaut
293222 | Zig:25   | Noticed a juggernaut
293224 | Zig:25   | Killed a juggernaut
293226 | Zig:25   | Noticed a juggernaut
293228 | Zig:25   | Noticed a juggernaut
293228 | Zig:25   | Killed a juggernaut
293231 | Zig:25   | Killed a juggernaut
293234 | Zig:25   | HP: 6/218 [juggernaut (64)]
293235 | Zig:25   | Annihilated by a juggernaut (75 damage)
293236 | Zig:25   | Killed a juggernaut
293237 | Zig:25   | Killed a juggernaut
293237 | Zig:25   | Killed a juggernaut
293237 | Zig:25   | Noticed a juggernaut
293237 | Zig:25   | Noticed a juggernaut
293239 | Zig:25   | Killed a juggernaut
293239 | Zig:25   | Noticed a juggernaut
293241 | Zig:25   | Killed a juggernaut
293242 | Zig:25   | Noticed a juggernaut
293243 | Zig:25   | Noticed a juggernaut
293244 | Zig:25   | Killed a juggernaut
293245 | Zig:25   | Killed a juggernaut
293247 | Zig:25   | Noticed a juggernaut
293247 | Zig:25   | Noticed a juggernaut
293250 | Zig:25   | Killed a juggernaut
293253 | Zig:25   | Killed a juggernaut
293256 | Zig:25   | HP: 9/218 [orc warlord/+0 halberd of protection (18)]
293259 | Zig:25   | HP: 1/218 [cloud of thunder (9)]
293259 | Zig:25   | Noticed a juggernaut
293260 | Zig:25   | Killed a juggernaut
293260 | Zig:25   | Killed a juggernaut
293261 | Zig:25   | Killed a juggernaut
293263 | Zig:25   | Killed a juggernaut
293265 | Zig:25   | Killed a juggernaut
293265 | Zig:25   | Annihilated by a juggernaut (37 damage)
293267 | Zig:25   | Killed a juggernaut
293269 | Zig:25   | Killed a juggernaut
293270 | Zig:25   | Killed a juggernaut
293272 | Zig:25   | Noticed a juggernaut
293273 | Zig:25   | Killed a juggernaut
293278 | Zig:25   | Noticed a juggernaut
293280 | Zig:25   | Noticed a juggernaut
293281 | Zig:25   | Killed a juggernaut
293282 | Zig:25   | Noticed a juggernaut
293287 | Zig:25   | Killed a juggernaut
293288 | Zig:25   | Noticed a juggernaut
293293 | Zig:25   | Killed a juggernaut
293301 | Zig:25   | Killed a juggernaut
293310 | Zig:25   | Killed a juggernaut
293316 | Zig:25   | HP: 1/218 [orc high priest/divine providence (12)]
293317 | Zig:25   | Killed by divine providence
                  | ... invoked by an orc high priest
                  | (9 damage)
293349 | Zig:25   | Identified the ring "Ompuriez" {rPois EV+5 Str+6 Dex-2}
293352 | Zig:25   | Identified the ring "Visople" {Will+ rCorr Int-5 Dex+7}
293378 | Zig:25   | Identified the +4 mace of Laffu {speed, rElec Will+ rCorr
                  | Int-4}
293383 | Zig:25   | Identified the ring "Zicho" {rF+ Str+2 Int+6}
293388 | Zig:25   | Identified the +0 leather armour "Gefy" {Harm Str+2 Dex-2}
293389 | Zig:25   | Identified the +7 morningstar of Lies {vamp, rN+ Will+ MP-9
                  | SInv}
293398 | Zig:26   | Entered Level 26 of a ziggurat
293405 | Zig:26   | Noticed Loem the pandemonium lord
293407 | Zig:26   | Noticed Kekhoarph the pandemonium lord
293408 | Zig:26   | Noticed Omix the pandemonium lord
293410 | Zig:26   | Noticed Zutugowu the pandemonium lord
293411 | Zig:26   | Noticed Luodwo the pandemonium lord
293411 | Zig:26   | Noticed Syzoph the pandemonium lord
293411 | Zig:26   | Noticed Kuil the pandemonium lord
293411 | Zig:26   | Noticed Husaevub the pandemonium lord
293411 | Zig:26   | Noticed Nisydaul the pandemonium lord
293411 | Zig:26   | Noticed Tyecosch the pandemonium lord
293411 | Zig:26   | Noticed Xacsash the pandemonium lord
293411 | Zig:26   | Noticed Boet the pandemonium lord
293411 | Zig:26   | Noticed Peufoa the pandemonium lord
293411 | Zig:26   | Noticed Lero the pandemonium lord
293411 | Zig:26   | Noticed Anopresk the pandemonium lord
293411 | Zig:26   | Noticed Otuitoz the pandemonium lord
293411 | Zig:26   | Noticed Tith the pandemonium lord
293412 | Zig:26   | Noticed Rehuf the pandemonium lord
293412 | Zig:26   | Noticed Gynk the pandemonium lord
293412 | Zig:26   | Noticed Hoeh the pandemonium lord
293412 | Zig:26   | Noticed Akud the pandemonium lord
293412 | Zig:26   | Noticed Muizeng the pandemonium lord
293412 | Zig:26   | Noticed Vaorrill the pandemonium lord
293412 | Zig:26   | Noticed Adeaduanu the pandemonium lord
293412 | Zig:26   | Noticed Tifechan the pandemonium lord
293412 | Zig:26   | Noticed Eraor the pandemonium lord
293412 | Zig:26   | Noticed Nyhaitt the pandemonium lord
293412 | Zig:26   | Noticed Asici the pandemonium lord
293412 | Zig:26   | Noticed Lopsad the pandemonium lord
293412 | Zig:26   | Noticed Beoridas the pandemonium lord
293412 | Zig:26   | Noticed Maxtusum the pandemonium lord
293412 | Zig:26   | Noticed Amiubaf the pandemonium lord
293412 | Zig:26   | Noticed Dyalyes the pandemonium lord
293412 | Zig:26   | Noticed Ucucs the pandemonium lord
293412 | Zig:26   | Noticed Lupluil the pandemonium lord
293412 | Zig:26   | Noticed Bieh the pandemonium lord
293412 | Zig:26   | Noticed Xumuely the pandemonium lord
293412 | Zig:26   | Noticed Odwud the pandemonium lord
293412 | Zig:26   | Noticed Hydutzuw the pandemonium lord
293412 | Zig:26   | Noticed Kapp the pandemonium lord
293412 | Zig:26   | Noticed Ruiptira the pandemonium lord
293412 | Zig:26   | Noticed Xietz the pandemonium lord
293412 | Zig:26   | Noticed Evophomm the pandemonium lord
293412 | Zig:26   | Noticed Ufodesov the pandemonium lord
293412 | Zig:26   | Noticed Wepad the pandemonium lord
293412 | Zig:26   | Noticed Etog Ink the pandemonium lord
293412 | Zig:26   | Noticed Beudorocw the pandemonium lord
293412 | Zig:26   | Noticed Sithrusa the pandemonium lord
293412 | Zig:26   | Noticed Bypuro the pandemonium lord
293412 | Zig:26   | Noticed Repp the pandemonium lord
293412 | Zig:26   | Noticed Votetz the pandemonium lord
293412 | Zig:26   | Noticed Fiahood the pandemonium lord
293412 | Zig:26   | Noticed Eghis the pandemonium lord
293412 | Zig:26   | Noticed Rarchi the pandemonium lord
293412 | Zig:26   | Noticed Soap the pandemonium lord
293412 | Zig:26   | Noticed Plog the pandemonium lord
293413 | Zig:26   | Noticed Uloil the pandemonium lord
293413 | Zig:26   | Noticed Yckiubbi the pandemonium lord
293413 | Zig:26   | Noticed Pewinn the pandemonium lord
293413 | Zig:26   | Noticed Esoif the pandemonium lord
293413 | Zig:26   | Noticed Epeveaph the pandemonium lord
293413 | Zig:26   | Noticed Ukuhid the pandemonium lord
293413 | Zig:26   | Noticed Petsy the pandemonium lord
293413 | Zig:26   | Noticed Viun the pandemonium lord
293413 | Zig:26   | Noticed Pedait the pandemonium lord
293413 | Zig:26   | Noticed Qetixil the pandemonium lord
293413 | Zig:26   | Noticed Ithunuxo the pandemonium lord
293413 | Zig:26   | Noticed Haedyry the pandemonium lord
293413 | Zig:26   | Noticed Ejiofib the pandemonium lord
293413 | Zig:26   | Noticed Wiat the pandemonium lord
293413 | Zig:26   | Noticed Rusek the pandemonium lord
293413 | Zig:26   | Noticed Isiump the pandemonium lord
293413 | Zig:26   | Noticed Diry the pandemonium lord
293413 | Zig:26   | Noticed Kakkyeha the pandemonium lord
293413 | Zig:26   | Noticed Neugaugg the pandemonium lord
293413 | Zig:26   | Noticed Yschyur the pandemonium lord
293413 | Zig:26   | Noticed Kyiwekk the pandemonium lord
293413 | Zig:26   | Noticed Fexkerr the pandemonium lord
293413 | Zig:26   | Noticed Noygri Jair the pandemonium lord
293413 | Zig:26   | Noticed Ninus the pandemonium lord
293413 | Zig:26   | Noticed Gijoesio the pandemonium lord
293413 | Zig:26   | Noticed Eloyten the pandemonium lord
293413 | Zig:26   | Noticed Vil Vuwn the pandemonium lord
293413 | Zig:26   | Noticed Zofof the pandemonium lord
293413 | Zig:26   | Noticed Icvikeit the pandemonium lord
293413 | Zig:26   | Noticed Veomih the pandemonium lord
293413 | Zig:26   | Noticed Cuif the pandemonium lord
293413 | Zig:26   | Noticed Zijoev the pandemonium lord
293413 | Zig:26   | Noticed Duorudgh the pandemonium lord
293413 | Zig:26   | Noticed Jelofuwo the pandemonium lord
293413 | Zig:26   | Noticed Kuon the pandemonium lord
293413 | Zig:26   | Noticed Itamel the pandemonium lord
293413 | Zig:26   | Noticed Duutaran the pandemonium lord
293413 | Zig:26   | Noticed Vookutt the pandemonium lord
293413 | Zig:26   | Noticed Figg the pandemonium lord
293413 | Zig:26   | Noticed Ifip the pandemonium lord
293413 | Zig:26   | Noticed Jiweb the pandemonium lord
293413 | Zig:26   | Noticed Fisoamm the pandemonium lord
293413 | Zig:26   | Noticed Romentao the pandemonium lord
293413 | Zig:26   | Noticed Cyr Its the pandemonium lord
293413 | Zig:26   | Noticed Zasoaras the pandemonium lord
293413 | Zig:26   | Noticed Peihowno the pandemonium lord
293413 | Zig:26   | Noticed Ruruhaec the pandemonium lord
293413 | Zig:26   | Noticed Deunanwy the pandemonium lord
293413 | Zig:26   | Noticed Zuqal the pandemonium lord
293413 | Zig:26   | Noticed Daawerch the pandemonium lord
293413 | Zig:26   | Noticed Ommizou the pandemonium lord
293413 | Zig:26   | Noticed Vizeikk the pandemonium lord
293413 | Zig:26   | Noticed Lasm the pandemonium lord
293413 | Zig:26   | Noticed Dedee the pandemonium lord
293413 | Zig:26   | Noticed Cabox the pandemonium lord
293413 | Zig:26   | Noticed Corgh the pandemonium lord
293413 | Zig:26   | Noticed Jufuczuph the pandemonium lord
293414 | Zig:26   | Noticed Qetei the pandemonium lord
293414 | Zig:26   | Noticed Celall the pandemonium lord
293414 | Zig:26   | Noticed Mironel the pandemonium lord
293414 | Zig:26   | Killed Kuil the pandemonium lord
293414 | Zig:26   | Killed Xumuely the pandemonium lord
293414 | Zig:26   | Noticed Pelor the pandemonium lord
293414 | Zig:26   | Noticed Uwiyso the pandemonium lord
293415 | Zig:26   | Noticed Emiesin the pandemonium lord
293415 | Zig:26   | Killed Boet the pandemonium lord
293415 | Zig:26   | Killed Dyalyes the pandemonium lord
293415 | Zig:26   | Killed Evophomm the pandemonium lord
293415 | Zig:26   | Killed Kyiwekk the pandemonium lord
293415 | Zig:26   | Killed Petsy the pandemonium lord
293415 | Zig:26   | Killed Rarchi the pandemonium lord
293415 | Zig:26   | Noticed Ceawih the pandemonium lord
293415 | Zig:26   | Noticed Suuniet the pandemonium lord
293416 | Zig:26   | Noticed Tehuhija the pandemonium lord
293416 | Zig:26   | Noticed Ofoti the pandemonium lord
293416 | Zig:26   | Noticed Gaggefim the pandemonium lord
293416 | Zig:26   | Noticed Izoycs the pandemonium lord
293416 | Zig:26   | Killed Rusek the pandemonium lord
293416 | Zig:26   | Killed Kuon the pandemonium lord
293416 | Zig:26   | Killed Duutaran the pandemonium lord
293416 | Zig:26   | Killed Zuqal the pandemonium lord
293416 | Zig:26   | Killed Adeaduanu the pandemonium lord
293416 | Zig:26   | Killed Lopsad the pandemonium lord
293416 | Zig:26   | Killed Jelofuwo the pandemonium lord
293416 | Zig:26   | Killed Fisoamm the pandemonium lord
293416 | Zig:26   | Killed Duorudgh the pandemonium lord
293416 | Zig:26   | Killed Ninus the pandemonium lord
293416 | Zig:26   | Killed Fexkerr the pandemonium lord
293416 | Zig:26   | Killed Esoif the pandemonium lord
293416 | Zig:26   | Killed Ommizou the pandemonium lord
293416 | Zig:26   | Killed Jiweb the pandemonium lord
293416 | Zig:26   | Killed Peihowno the pandemonium lord
293416 | Zig:26   | Killed Figg the pandemonium lord
293416 | Zig:26   | Killed Eloyten the pandemonium lord
293416 | Zig:26   | Killed Amiubaf the pandemonium lord
293416 | Zig:26   | Killed Yckiubbi the pandemonium lord
293416 | Zig:26   | Killed Ifip the pandemonium lord
293416 | Zig:26   | Killed Fiahood the pandemonium lord
293416 | Zig:26   | Killed Beoridas the pandemonium lord
293416 | Zig:26   | Killed Kapp the pandemonium lord
293416 | Zig:26   | Noticed Meqosch the pandemonium lord
293416 | Zig:26   | Noticed Limeaden the pandemonium lord
293416 | Zig:26   | Noticed Kelisa the pandemonium lord
293417 | Zig:26   | Noticed Asousoir the pandemonium lord
293417 | Zig:26   | Noticed Mehom the pandemonium lord
293417 | Zig:26   | Noticed Tyogud the pandemonium lord
293418 | Zig:26   | Killed Itamel the pandemonium lord
293418 | Zig:26   | Noticed Peimewn the pandemonium lord
293419 | Zig:26   | Noticed Hafow the pandemonium lord
293419 | Zig:26   | Killed Cyr Its the pandemonium lord
293419 | Zig:26   | Killed Deunanwy the pandemonium lord
293419 | Zig:26   | Noticed Qofol the pandemonium lord
293419 | Zig:26   | Noticed Rofra the pandemonium lord
293420 | Zig:26   | HP: 3/218 [Neugaugg the pandemonium lord (11)]
293421 | Zig:26   | Noticed Fyos the pandemonium lord
293421 | Zig:26   | Noticed Biasah the pandemonium lord
293422 | Zig:26   | Noticed Xotyhoin the pandemonium lord
293422 | Zig:26   | Killed Repp the pandemonium lord
293422 | Zig:26   | Killed Haedyry the pandemonium lord
293422 | Zig:26   | Killed Hoeh the pandemonium lord
293422 | Zig:26   | Killed Noygri Jair the pandemonium lord
293422 | Zig:26   | Killed Veomih the pandemonium lord
293422 | Zig:26   | Killed Kelisa the pandemonium lord
293422 | Zig:26   | Killed Epeveaph the pandemonium lord
293422 | Zig:26   | Killed Mironel the pandemonium lord
293422 | Zig:26   | Noticed Gypuezez the pandemonium lord
293422 | Zig:26   | Noticed Gacobbuq the pandemonium lord
293423 | Zig:26   | Noticed Qyann the pandemonium lord
293423 | Zig:26   | Noticed Ekhlov the pandemonium lord
293423 | Zig:26   | Noticed Qufo the pandemonium lord
293423 | Zig:26   | Noticed Xoimobe the pandemonium lord
293424 | Zig:26   | Noticed Peduenah the pandemonium lord
293424 | Zig:26   | Killed Eghis the pandemonium lord
293424 | Zig:26   | Killed Icvikeit the pandemonium lord
293424 | Zig:26   | Killed by an exploding ball lightning (8 damage)
                  | ... set off by themself
293424 | Zig:26   | Killed Cuif the pandemonium lord
293424 | Zig:26   | Noticed Moanet the pandemonium lord
293424 | Zig:26   | Noticed Ciofeir the pandemonium lord
293424 | Zig:26   | Noticed Moum Xuf the pandemonium lord
293424 | Zig:26   | Noticed Woboc Vyolekh the pandemonium lord
293424 | Zig:26   | Noticed Capotoes the pandemonium lord
293425 | Zig:26   | Killed Eraor the pandemonium lord
293425 | Zig:26   | Killed Qetixil the pandemonium lord
293425 | Zig:26   | Killed Emiesin the pandemonium lord
293425 | Zig:26   | Killed Asousoir the pandemonium lord
293425 | Zig:26   | Killed Zofof the pandemonium lord
293425 | Zig:26   | Killed Dedee the pandemonium lord
293425 | Zig:26   | Killed Vookutt the pandemonium lord
293425 | Zig:26   | Killed Hafow the pandemonium lord
293425 | Zig:26   | Killed Ejiofib the pandemonium lord
293425 | Zig:26   | Killed Gijoesio the pandemonium lord
293425 | Zig:26   | Killed Gypuezez the pandemonium lord
293425 | Zig:26   | Noticed Yryes the pandemonium lord
293425 | Zig:26   | Noticed Gaucu the pandemonium lord
293425 | Zig:26   | Noticed Biriami the pandemonium lord
293426 | Zig:26   | Noticed Buvor the pandemonium lord
293426 | Zig:26   | Noticed Roecov the pandemonium lord
293427 | Zig:26   | Killed Tehuhija the pandemonium lord
293427 | Zig:26   | Killed Sithrusa the pandemonium lord
293427 | Zig:26   | Killed Lasm the pandemonium lord
293427 | Zig:26   | Noticed Tah Viy the pandemonium lord
293428 | Zig:26   | Killed Ufodesov the pandemonium lord
293428 | Zig:26   | Killed Ithunuxo the pandemonium lord
293428 | Zig:26   | Killed Lupluil the pandemonium lord
293428 | Zig:26   | Killed Vaorrill the pandemonium lord
293428 | Zig:26   | Killed Daawerch the pandemonium lord
293428 | Zig:26   | Noticed Piosk the pandemonium lord
293428 | Zig:26   | Noticed Utanetho the pandemonium lord
293428 | Zig:26   | Killed Diry the pandemonium lord
293428 | Zig:26   | Noticed Olitoew the pandemonium lord
293429 | Zig:26   | Killed Kakkyeha the pandemonium lord
293429 | Zig:26   | Killed Zijoev the pandemonium lord
293429 | Zig:26   | Killed Hydutzuw the pandemonium lord
293429 | Zig:26   | Killed Wiat the pandemonium lord
293429 | Zig:26   | Noticed Zehegep the pandemonium lord
293429 | Zig:26   | Noticed Suaq the pandemonium lord
293429 | Zig:26   | Noticed Eledyig the pandemonium lord
293429 | Zig:26   | Killed Ofoti the pandemonium lord
293429 | Zig:26   | Killed Plog the pandemonium lord
293429 | Zig:26   | Killed Isiump the pandemonium lord
293429 | Zig:26   | Killed Viun the pandemonium lord
293429 | Zig:26   | Killed Vizeikk the pandemonium lord
293429 | Zig:26   | Noticed Uhouv the pandemonium lord
293429 | Zig:26   | Noticed Bynocsat the pandemonium lord
293429 | Zig:26   | Noticed Ydopt the pandemonium lord
293429 | Zig:26   | Noticed Asot the pandemonium lord
293430 | Zig:26   | Noticed Joojymaj the pandemonium lord
293430 | Zig:26   | Killed Romentao the pandemonium lord
293430 | Zig:26   | Killed Luodwo the pandemonium lord
293430 | Zig:26   | Killed Pelor the pandemonium lord
293430 | Zig:26   | Noticed Bipur the pandemonium lord
293430 | Zig:26   | Noticed Yzuell the pandemonium lord
293430 | Zig:26   | Killed Rehuf the pandemonium lord
293430 | Zig:26   | Killed Akud the pandemonium lord
293430 | Zig:26   | Noticed Jezap the pandemonium lord
293430 | Zig:26   | Noticed Qilin the pandemonium lord
293431 | Zig:26   | Noticed Monguif the pandemonium lord
293431 | Zig:26   | Noticed Iteogruo the pandemonium lord
293432 | Zig:26   | Noticed Qesowenav the pandemonium lord
293432 | Zig:26   | Killed Ruiptira the pandemonium lord
293432 | Zig:26   | Killed Ukuhid the pandemonium lord
293432 | Zig:26   | Killed Gaggefim the pandemonium lord
293432 | Zig:26   | Killed Zasoaras the pandemonium lord
293432 | Zig:26   | Killed Mehom the pandemonium lord
293432 | Zig:26   | Killed Cabox the pandemonium lord
293432 | Zig:26   | Killed Pewinn the pandemonium lord
293432 | Zig:26   | Noticed Isikem the pandemonium lord
293432 | Zig:26   | Killed Jufuczuph the pandemonium lord
293432 | Zig:26   | Killed Biasah the pandemonium lord
293432 | Zig:26   | Killed Muizeng the pandemonium lord
293432 | Zig:26   | Killed Bypuro the pandemonium lord
293432 | Zig:26   | Killed Ucucs the pandemonium lord
293432 | Zig:26   | Killed Votetz the pandemonium lord
293432 | Zig:26   | Noticed Taown the pandemonium lord
293432 | Zig:26   | Noticed Saynk the pandemonium lord
293432 | Zig:26   | Killed Asici the pandemonium lord
293432 | Zig:26   | Killed Suuniet the pandemonium lord
293432 | Zig:26   | Killed Tyogud the pandemonium lord
293432 | Zig:26   | Killed Tith the pandemonium lord
293432 | Zig:26   | Killed Ruruhaec the pandemonium lord
293432 | Zig:26   | Noticed Birody the pandemonium lord
293432 | Zig:26   | Noticed Seuni the pandemonium lord
293433 | Zig:26   | Noticed Kugumewo the pandemonium lord
293433 | Zig:26   | Killed Utanetho the pandemonium lord
293433 | Zig:26   | Killed Beudorocw the pandemonium lord
293433 | Zig:26   | Killed Gynk the pandemonium lord
293433 | Zig:26   | Killed Vil Vuwn the pandemonium lord
293433 | Zig:26   | Noticed Laehis the pandemonium lord
293433 | Zig:26   | Noticed Innimmeabb the pandemonium lord
293434 | Zig:26   | Noticed Rarim the pandemonium lord
293434 | Zig:26   | Noticed Plog the pandemonium lord
293434 | Zig:26   | Killed Piosk the pandemonium lord
293434 | Zig:26   | Killed Tifechan the pandemonium lord
293434 | Zig:26   | Killed Uwiyso the pandemonium lord
293434 | Zig:26   | Killed Soap the pandemonium lord
293434 | Zig:26   | Killed Odwud the pandemonium lord
293434 | Zig:26   | Killed Neugaugg the pandemonium lord
293434 | Zig:26   | Killed Fyos the pandemonium lord
293434 | Zig:26   | Killed Biriami the pandemonium lord
293434 | Zig:26   | Killed Maxtusum the pandemonium lord
293434 | Zig:26   | Killed Peimewn the pandemonium lord
293434 | Zig:26   | Killed Ydopt the pandemonium lord
293434 | Zig:26   | Killed Moum Xuf the pandemonium lord
293434 | Zig:26   | Killed Qetei the pandemonium lord
293434 | Zig:26   | Noticed Mang the pandemonium lord
293435 | Zig:26   | Noticed Xaentuenel the pandemonium lord
293436 | Zig:26   | Noticed Viynac the pandemonium lord
293436 | Zig:26   | Noticed Dutofax the pandemonium lord
293436 | Zig:26   | Noticed Weriluv the pandemonium lord
293436 | Zig:26   | Noticed Pihuer Yppiu the pandemonium lord
293437 | Zig:26   | Noticed Bobum the pandemonium lord
293437 | Zig:26   | Noticed Veodaplu the pandemonium lord
293437 | Zig:26   | Noticed Tihuboit the pandemonium lord
293437 | Zig:26   | Slain by Corgh the pandemonium lord (18 damage)
293438 | Zig:26   | Noticed Ogukh the pandemonium lord
293438 | Zig:26   | Noticed Muppolos the pandemonium lord
293438 | Zig:26   | Noticed Myuntec the pandemonium lord
293439 | Zig:26   | Killed Woboc Vyolekh the pandemonium lord
293439 | Zig:26   | Killed Ekhlov the pandemonium lord
293439 | Zig:26   | Killed Qofol the pandemonium lord
293439 | Zig:26   | Killed Etog Ink the pandemonium lord
293439 | Zig:26   | Killed Xietz the pandemonium lord
293439 | Zig:26   | Noticed Xifasial the pandemonium lord
293439 | Zig:26   | Noticed Xeteo the pandemonium lord
293439 | Zig:26   | Noticed Qaceir the pandemonium lord
293439 | Zig:26   | Noticed Potumuaxo the pandemonium lord
293439 | Zig:26   | Noticed Toeqoan the pandemonium lord
293440 | Zig:26   | Killed Ciofeir the pandemonium lord
293440 | Zig:26   | Killed Meqosch the pandemonium lord
293440 | Zig:26   | Killed Mang the pandemonium lord
293440 | Zig:26   | Killed Jezap the pandemonium lord
293440 | Zig:26   | Killed Xotyhoin the pandemonium lord
293440 | Zig:26   | Killed Buvor the pandemonium lord
293440 | Zig:26   | Noticed Pusaro the pandemonium lord
293440 | Zig:26   | Noticed Etomuer the pandemonium lord
293441 | Zig:26   | Noticed Olien the pandemonium lord
293441 | Zig:26   | Killed Wepad the pandemonium lord
293441 | Zig:26   | Killed Nyhaitt the pandemonium lord
293441 | Zig:26   | Killed Zehegep the pandemonium lord
293441 | Zig:26   | Killed Syzoph the pandemonium lord
293441 | Zig:26   | Killed Xacsash the pandemonium lord
293441 | Zig:26   | Killed Yryes the pandemonium lord
293441 | Zig:26   | Killed Roecov the pandemonium lord
293441 | Zig:26   | Killed Xaentuenel the pandemonium lord
293441 | Zig:26   | Killed Gaucu the pandemonium lord
293441 | Zig:26   | Killed Peufoa the pandemonium lord
293441 | Zig:26   | Killed Uhouv the pandemonium lord
293441 | Zig:26   | Noticed Duotaun the pandemonium lord
293441 | Zig:26   | Noticed Cucefel the pandemonium lord
293441 | Zig:26   | Killed Qilin the pandemonium lord
293441 | Zig:26   | Killed Seuni the pandemonium lord
293441 | Zig:26   | Killed Corgh the pandemonium lord
293441 | Zig:26   | Killed Rofra the pandemonium lord
293441 | Zig:26   | Killed Taown the pandemonium lord
293441 | Zig:26   | Killed Iteogruo the pandemonium lord
293442 | Zig:26   | Noticed Ugasm the pandemonium lord
293442 | Zig:26   | Noticed Mokkathu the pandemonium lord
293443 | Zig:26   | Noticed Boclamuu the pandemonium lord
293443 | Zig:26   | Noticed Utiegh the pandemonium lord
293443 | Zig:26   | Noticed Botseje the pandemonium lord
293444 | Zig:26   | Noticed Nomotzal the pandemonium lord
293444 | Zig:26   | Noticed Laguec the pandemonium lord
293444 | Zig:26   | Killed Bynocsat the pandemonium lord
293444 | Zig:26   | Killed Yschyur the pandemonium lord
293444 | Zig:26   | Killed Asot the pandemonium lord
293445 | Zig:26   | Killed Urevoc the pandemonium lord
293445 | Zig:26   | Killed Jaogiufi the pandemonium lord
293445 | Zig:26   | Killed Dutofax the pandemonium lord
293445 | Zig:26   | Killed Rarim the pandemonium lord
293445 | Zig:26   | Killed Innimmeabb the pandemonium lord
293445 | Zig:26   | Killed Ceawih the pandemonium lord
293445 | Zig:26   | Killed Birody the pandemonium lord
293445 | Zig:26   | Killed Yguschog the pandemonium lord
293445 | Zig:26   | Killed Cesog the pandemonium lord
293445 | Zig:26   | Killed Fenusank the pandemonium lord
293445 | Zig:26   | Killed Myuntec the pandemonium lord
293445 | Zig:26   | Killed Olitoew the pandemonium lord
293445 | Zig:26   | Killed Moanet the pandemonium lord
293445 | Zig:26   | Killed Tihuboit the pandemonium lord
293445 | Zig:26   | Killed Pedait the pandemonium lord
293445 | Zig:26   | Killed Sonn the pandemonium lord
293445 | Zig:26   | Killed Xogiqu the pandemonium lord
293445 | Zig:26   | Killed Gicit the pandemonium lord
293445 | Zig:26   | Killed Ogukh the pandemonium lord
293445 | Zig:26   | Killed Weatzeng the pandemonium lord
293445 | Zig:26   | Killed Qesowenav the pandemonium lord
293445 | Zig:26   | Killed Wedyir the pandemonium lord
293445 | Zig:26   | Killed Josinohe the pandemonium lord
293445 | Zig:26   | Noticed Ciliext the pandemonium lord
293445 | Zig:26   | Noticed Sixkuph the pandemonium lord
293446 | Zig:26   | Killed Eledyig the pandemonium lord
293446 | Zig:26   | Killed Suaq the pandemonium lord
293446 | Zig:26   | Killed Pusaro the pandemonium lord
293446 | Zig:26   | Killed Tah Viy the pandemonium lord
293446 | Zig:26   | Killed Loem the pandemonium lord
293446 | Zig:26   | Noticed Houtiuh the pandemonium lord
293446 | Zig:26   | Noticed Ycveus the pandemonium lord
293446 | Zig:26   | Noticed Ubaicej the pandemonium lord
293448 | Zig:26   | Noticed Lauzesokk the pandemonium lord
293448 | Zig:26   | Killed Husaevub the pandemonium lord
293448 | Zig:26   | Killed Qyann the pandemonium lord
293449 | Zig:26   | Killed Potumuaxo the pandemonium lord
293450 | Zig:26   | Killed Xoimobe the pandemonium lord
293450 | Zig:26   | Killed Monguif the pandemonium lord
293450 | Zig:26   | Killed Nisydaul the pandemonium lord
293450 | Zig:26   | Noticed Zeongy the pandemonium lord
293450 | Zig:26   | Noticed Pech the pandemonium lord
293452 | Zig:26   | Noticed Goanyal the pandemonium lord
293452 | Zig:26   | Noticed Reamu the pandemonium lord
293453 | Zig:26   | Killed Capotoes the pandemonium lord
293453 | Zig:26   | Killed Otuitoz the pandemonium lord
293454 | Zig:26   | Killed Saynk the pandemonium lord
293454 | Zig:26   | Killed Nomotzal the pandemonium lord
293454 | Zig:26   | Killed Izoycs the pandemonium lord
293454 | Zig:26   | Noticed Pypep Rou the pandemonium lord
293454 | Zig:26   | Killed Peduenah the pandemonium lord
293454 | Zig:26   | Killed Omix the pandemonium lord
293454 | Zig:26   | Killed Gacobbuq the pandemonium lord
293454 | Zig:26   | Killed Mokkathu the pandemonium lord
293456 | Zig:26   | HP: 9/218 [Etomuer the pandemonium lord (17)]
293456 | Zig:26   | Noticed Lewnath the pandemonium lord
293457 | Zig:26   | Noticed Socoseos the pandemonium lord
293458 | Zig:26   | Killed Joojymaj the pandemonium lord
293459 | Zig:26   | HP: 2/218 [Viynac the pandemonium lord] (4)]
293459 | Zig:26   | Noticed Xizxec the pandemonium lord
293459 | Zig:26   | Killed Etomuer the pandemonium lord
293459 | Zig:26   | Killed Qufo the pandemonium lord
293460 | Zig:26   | Killed Ycveus the pandemonium lord
293461 | Zig:26   | Noticed Fatucuav the pandemonium lord
293462 | Zig:26   | Killed Yzuell the pandemonium lord
293462 | Zig:26   | Mangled by Kekhoarph the pandemonium lord (10 damage)
293462 | Zig:26   | Noticed Piymib the pandemonium lord
293462 | Zig:26   | Noticed Ponocid the pandemonium lord
293462 | Zig:26   | Killed Muppolos the pandemonium lord
293462 | Zig:26   | Killed Ciliext the pandemonium lord
293462 | Zig:26   | Killed Danuinao the pandemonium lord
293462 | Zig:26   | Killed Viynac the pandemonium lord
293464 | Zig:26   | Killed Olien the pandemonium lord
293464 | Zig:26   | Killed Kugumewo the pandemonium lord
293465 | Zig:26   | Killed Boclamuu the pandemonium lord
293465 | Zig:26   | Killed Xifasial the pandemonium lord
293465 | Zig:26   | Killed Xeteo the pandemonium lord
293466 | Zig:26   | Noticed Gewarchai the pandemonium lord
293468 | Zig:26   | Killed Laehis the pandemonium lord
293468 | Zig:26   | Noticed Paneegh the pandemonium lord
293468 | Zig:26   | Noticed Nungad the pandemonium lord
293469 | Zig:26   | Killed Duotaun the pandemonium lord
293471 | Zig:26   | Killed Uloil the pandemonium lord
293471 | Zig:26   | Killed Celall the pandemonium lord
293471 | Zig:26   | Killed Sixkuph the pandemonium lord
293472 | Zig:26   | Noticed Giawki the pandemonium lord
293472 | Zig:26   | Noticed Zishrum the pandemonium lord
293474 | Zig:26   | Killed Pihuer Yppiu the pandemonium lord
293474 | Zig:26   | Killed Xizxec the pandemonium lord
293474 | Zig:26   | Killed Lauzesokk the pandemonium lord
293474 | Zig:26   | Killed Lewnath the pandemonium lord
293474 | Zig:26   | Killed Limeaden the pandemonium lord
293475 | Zig:26   | Killed Plog the pandemonium lord
293477 | Zig:26   | Killed Isikem the pandemonium lord
293477 | Zig:26   | Killed Socoseos the pandemonium lord
293477 | Zig:26   | Killed Anopresk the pandemonium lord
293477 | Zig:26   | Killed Pypep Rou the pandemonium lord
293477 | Zig:26   | Killed Bieh the pandemonium lord
293478 | Zig:26   | Noticed Ruabexur the pandemonium lord
293478 | Zig:26   | Killed Cucefel the pandemonium lord
293478 | Zig:26   | Noticed Veptesmu the pandemonium lord
293481 | Zig:26   | Killed Goanyal the pandemonium lord
293482 | Zig:26   | Killed Qaceir the pandemonium lord
293484 | Zig:26   | Killed Bobum the pandemonium lord
293484 | Zig:26   | Killed Veodaplu the pandemonium lord
293484 | Zig:26   | Killed Gewarchai the pandemonium lord
293484 | Zig:26   | Killed Ponocid the pandemonium lord
293484 | Zig:26   | Killed Toeqoan the pandemonium lord
293484 | Zig:26   | Killed Botseje the pandemonium lord
293484 | Zig:26   | Killed Ugasm the pandemonium lord
293485 | Zig:26   | Killed Bipur the pandemonium lord
293485 | Zig:26   | Killed Tyecosch the pandemonium lord
293486 | Zig:26   | Noticed Jiphi the pandemonium lord
293487 | Zig:26   | Killed Lero the pandemonium lord
293488 | Zig:26   | Killed Kekhoarph the pandemonium lord
293488 | Zig:26   | Killed Fatucuav the pandemonium lord
293488 | Zig:26   | Killed Zishrum the pandemonium lord
293488 | Zig:26   | Killed Zutugowu the pandemonium lord
293489 | Zig:26   | HP: 4/218 [something the pandemonium lord/iron shot (30)]
293490 | Zig:26   | Killed Pech the pandemonium lord
293491 | Zig:26   | Killed from afar by Houtiuh the pandemonium lord (60
                  | damage)
                  | ... with an iron shot
293491 | Zig:26   | Killed Utiegh the pandemonium lord
293492 | Zig:26   | Killed Giawki the pandemonium lord
293492 | Zig:26   | Killed Paneegh the pandemonium lord
293493 | Zig:26   | Killed Ubaicej the pandemonium lord
293495 | Zig:26   | Killed Piymib the pandemonium lord
293496 | Zig:26   | Killed Houtiuh the pandemonium lord
293499 | Zig:26   | Killed Reamu the pandemonium lord
293500 | Zig:26   | Killed Zeongy the pandemonium lord
293501 | Zig:26   | Killed Veptesmu the pandemonium lord
293502 | Zig:26   | Killed Laguec the pandemonium lord
293502 | Zig:26   | Killed Nungad the pandemonium lord
293502 | Zig:26   | Killed Weriluv the pandemonium lord
293503 | Zig:26   | Killed Ruabexur the pandemonium lord
293503 | Zig:26   | Killed Jiphi the pandemonium lord
293534 | Zig:26   | Noticed Obeehof the pandemonium lord
293537 | Zig:26   | Noticed Oha Lio the pandemonium lord
293553 | Zig:26   | Noticed Poziwkof the pandemonium lord
293558 | Zig:26   | Killed Obeehof the pandemonium lord
293560 | Zig:26   | Noticed Veloifim the pandemonium lord
293561 | Zig:26   | Noticed Ikkontud the pandemonium lord
293562 | Zig:26   | Noticed Feddo the pandemonium lord
293563 | Zig:26   | Noticed Umewk the pandemonium lord
293563 | Zig:26   | Killed from afar by Poziwkof the pandemonium lord (45
                  | damage)
                  | ... with an arc of chain lightning
293564 | Zig:26   | Noticed Jahilerph the pandemonium lord
293564 | Zig:26   | Noticed Gyecsig the pandemonium lord
293564 | Zig:26   | Noticed Zub Rell the pandemonium lord
293565 | Zig:26   | Noticed Dihell the pandemonium lord
293566 | Zig:26   | Noticed Arphu the pandemonium lord
293567 | Zig:26   | Killed Poziwkof the pandemonium lord
293567 | Zig:26   | Noticed Tufuar the pandemonium lord
293571 | Zig:26   | Noticed Unopaipp the pandemonium lord
293571 | Zig:26   | Noticed Xuocuo the pandemonium lord
293576 | Zig:26   | Killed Ikkontud the pandemonium lord
293577 | Zig:26   | Killed Oha Lio the pandemonium lord
293577 | Zig:26   | Killed Jahilerph the pandemonium lord
293579 | Zig:26   | Killed Veloifim the pandemonium lord
293586 | Zig:26   | Killed Dihell the pandemonium lord
293586 | Zig:26   | Killed Tufuar the pandemonium lord
293594 | Zig:26   | Killed Umewk the pandemonium lord
293594 | Zig:26   | Killed Xuocuo the pandemonium lord
293595 | Zig:26   | Killed Arphu the pandemonium lord
293595 | Zig:26   | Killed Feddo the pandemonium lord
293595 | Zig:26   | Killed Zub Rell the pandemonium lord
293595 | Zig:26   | Killed Unopaipp the pandemonium lord
293596 | Zig:26   | Killed Gyecsig the pandemonium lord
293921 | Zig:26   | Lost mutation: You are robust. (+10% HP) [potion of
                  | mutation]
293921 | Zig:26   | Lost mutation: You passively dampen the noise of your
                  | surroundings. [potion of mutation]
293921 | Zig:26   | Lost mutation: Your body sometimes deteriorates upon taking
                  | damage. [potion of mutation]
293921 | Zig:26   | Gained mutation: You occasionally shout uncontrollably at
                  | your foes. [potion of mutation]
293922 | Zig:26   | Lost mutation: Your spells are a little harder to cast, but
                  | a little more powerful. [potion of mutation]
293922 | Zig:26   | Lost mutation: You occasionally shout uncontrollably at
                  | your foes. [potion of mutation]
293922 | Zig:26   | Lost mutation: Your skin changes colour to match your
                  | surroundings (Stealth+). [potion of mutation]
293922 | Zig:26   | Gained mutation: You are frail. (-10% HP) [potion of
                  | mutation]
293922 | Zig:26   | Gained mutation: You are partially covered in iridescent
                  | scales. (AC +2) [potion of mutation]
293922 | Zig:26   | Lost mutation: You are frail. (-10% HP) [potion of
                  | mutation]
293923 | Zig:26   | Lost mutation: You are agile. (Dex +4, Str/Int -1) [potion
                  | of mutation]
293923 | Zig:26   | Lost mutation: You are partially covered in iridescent
                  | scales. (AC +2) [potion of mutation]
293923 | Zig:26   | Gained mutation: Armour fits poorly on your strangely
                  | shaped body. [potion of mutation]
293923 | Zig:26   | Gained mutation: Your mind is acute. (Int +4, Str/Dex -1)
                  | [potion of mutation]
293924 | Zig:26   | Lost mutation: Your mind is acute. (Int +4, Str/Dex -1)
                  | [potion of mutation]
293924 | Zig:26   | Lost mutation: Armour fits poorly on your strangely shaped
                  | body. [potion of mutation]
293924 | Zig:26   | Gained mutation: Your flesh is heat resistant. (rF+)
                  | [potion of mutation]
293924 | Zig:26   | Gained mutation: You are partially covered in iridescent
                  | scales. (AC +2) [potion of mutation]
293924 | Zig:26   | Gained mutation: You are robust. (+10% HP) [potion of
                  | mutation]
293925 | Zig:26   | Lost mutation: You are partially covered in iridescent
                  | scales. (AC +2) [potion of mutation]
293925 | Zig:26   | Lost mutation: Your flesh is heat resistant. (rF+) [potion
                  | of mutation]
293925 | Zig:26   | Gained mutation: You are strong-willed. (Will+) [potion of
                  | mutation]
293925 | Zig:26   | Gained mutation: You occasionally shout uncontrollably at
                  | your foes. [potion of mutation]
293925 | Zig:26   | Gained mutation: You have a somewhat thin skeletal
                  | structure. (Dex +2, Stealth+) [potion of mutation]
293939 | Zig:26   | Identified the ring of the Firefly {rPois rF+ Will+ Dex-2}
294024 | Zig:26   | Identified the +1 spear of Due Proportion {antimagic, Drain
                  | rElec Int+7 Dex-4}
294025 | Zig:26   | Identified the +4 kite shield of Compression {Int+6 Stlth+}
294030 | Zig:26   | Identified the staff of cold "Boxtaj" {rElec rC+ rN+ rCorr
                  | Stlth+}
294034 | Zig:26   | Identified the ring of Otor {Fire rElec Will++ Str-5
                  | Stlth+}
294061 | Zig:26   | Identified the +0 chain mail of Distant Shores {+Blink
                  | Dex+3}
294063 | Zig:26   | Identified the ring of Anarorph {Fly rCorr Str+2}
294068 | Zig:26   | Identified the +2 rapier of Armageddon {antimagic, rElec
                  | Str+4 Dex+2}
294091 | Zig:26   | Identified the staff of conjuration "Tipuomur" {*Slow rPois
                  | Str+2 Int+2}
294092 | Zig:26   | Identified the staff of fire "Laowureinix" {rPois rF+ rN++
                  | rCorr Str-5}
294098 | Zig:26   | Identified the +12 spear of Balance {antimagic, Dex+4}
294103 | Zig:27   | Entered Level 27 of a ziggurat
294117 | Zig:27   | HP: 8/218 [spore (4)]
294120 | Zig:27   | Killed from afar by a salamander tyrant (21 damage)
294122 | Zig:27   | Killed from afar by a salamander tyrant (40 damage)
                  | ... with a flame surge
294129 | Zig:27   | HP: 7/218 [salamander tyrant/flame surge (36)]
294130 | Zig:27   | HP: 3/218 [shock serpent/bolt of electricity (5)]
294130 | Zig:27   | Killed from afar by a salamander tyrant (22 damage)
                  | ... with a flame surge
294145 | Zig:27   | Killed from afar by a salamander tyrant (35 damage)
                  | ... with a flame surge
294322 | Zig:27   | Identified the staff of earth "Meopaj" {Int+6}
294326 | Zig:27   | Identified the +1 mace "Foxo" {flame, Fly}
294328 | Zig:27   | Identified the amulet of Kiwium {Reflect rF- Regen+ Int+2
                  | SH+5}
294342 | Zig:27   | Identified the +4 hand axe of Mutilation {venom, Dex+6
                  | SInv}
294348 | Zig:27   | Identified the staff of air "Baseezaf" {rElec rC+ rN+ MP+9}
294352 | Zig:27   | Identified the +1 robe of Naoxerai {Will- Dex+4 Slay+5}
294360 | Zig:27   | Identified the staff of fire "Nequf" {rF+ rC- MP+9 Int+2
                  | Dex+4}
294366 | Zig:27   | Identified the +2 leather armour of Hepliaklqana's Delight
                  | {rF+ rN+ Regen+}
294369 | Zig:27   | Identified the +1 sling of Defiance {freeze, rC+ Int+2
                  | Dex+3}
294376 | Zig:27   | Identified the +7 morningstar "Poilol" {elec, Will+}
294381 | Zig:27   | Identified the +0 quarterstaff of Hepliaklqana's Delight
                  | {drain, Drain rN+ Dex+9}
294396 | Zig:27   | Identified the +12 halberd "Nopi" {heavy, rElec rPois SInv}
295060 | Depths:4 | Gained mutation: Your magical capacity is low. (-10% MP)
                  | [mutagenic glow]
295102 | Zig:1    | Entered Level 1 of a ziggurat
295102 | Zig:1    | Noticed a dread lich
295102 | Zig:1    | Noticed a dread lich
295102 | Zig:1    | Noticed an ancient lich
295104 | Zig:1    | Noticed an ancient lich
295120 | Zig:1    | Killed a dread lich
295125 | Zig:1    | Killed a dread lich
295135 | Zig:1    | Killed an ancient lich
295137 | Zig:1    | Killed an ancient lich
295547 | Zig:1    | Learned a level 4 spell: Cause Fear
295556 | Zig:1    | Learned a level 8 spell: Summon Horrible Things
295579 | Zig:2    | Entered Level 2 of a ziggurat
295579 | Zig:2    | Noticed a juggernaut
295579 | Zig:2    | Noticed a juggernaut
295579 | Zig:2    | Noticed a juggernaut
295579 | Zig:2    | Noticed a juggernaut
295579 | Zig:2    | Noticed a juggernaut
295580 | Zig:2    | Noticed a juggernaut
295581 | Zig:2    | Noticed a juggernaut
295582 | Zig:2    | Noticed a juggernaut
295583 | Zig:2    | Noticed a juggernaut
295585 | Zig:2    | Noticed a juggernaut
295585 | Zig:2    | Noticed a juggernaut
295588 | Zig:2    | Killed a juggernaut
295597 | Zig:2    | Killed a juggernaut
295597 | Zig:2    | Killed a juggernaut
295598 | Zig:2    | Killed a juggernaut
295598 | Zig:2    | Killed a juggernaut
295602 | Zig:2    | Killed a juggernaut
295602 | Zig:2    | HP: 2/218 [juggernaut (22)]
295603 | Zig:2    | Killed a juggernaut
295604 | Zig:2    | Killed a juggernaut
295604 | Zig:2    | Annihilated by a juggernaut (32 damage)
295606 | Zig:2    | Killed a juggernaut
295608 | Zig:2    | Killed a juggernaut
295611 | Zig:2    | Killed a juggernaut
295627 | Zig:2    | Identified the +9 rapier of the Establishment {venom, rF+
                  | Will+}
295949 | Zig:3    | Entered Level 3 of a ziggurat
295963 | Zig:3    | HP: 2/218 [nargun (18)]
295963 | Zig:3    | Killed by the air
                  | ... invoked by a blizzard demon
                  | (6 damage)
295971 | Zig:3    | Slain by an Ice Fiend (24 damage)
295980 | Zig:3    | HP: 6/218 [blizzard demon/bolt of lightning (8)]
295980 | Zig:3    | Slain by an Ice Fiend (9 damage)
295987 | Zig:3    | Killed from afar by an Ice Fiend (23 damage)
                  | ... with a bolt of cold
295996 | Zig:3    | Mangled by an Ice Fiend (23 damage)
296334 | Zig:4    | Entered Level 4 of a ziggurat
296334 | Zig:4    | Noticed an ancient lich
296334 | Zig:4    | Noticed a dread lich
296334 | Zig:4    | Noticed an ancient lich
296334 | Zig:4    | Noticed an ancient lich
296334 | Zig:4    | Noticed a dread lich
296336 | Zig:4    | Noticed an ancient lich
296344 | Zig:4    | Killed a dread lich
296350 | Zig:4    | Killed an ancient lich
296353 | Zig:4    | Killed an ancient lich
296353 | Zig:4    | Killed from afar by an ancient lich (20 damage)
                  | ... with a bolt of acid
296354 | Zig:4    | Killed an ancient lich
296354 | Zig:4    | Killed a dread lich
296354 | Zig:4    | Killed an ancient lich
296696 | Zig:4    | Identified the +3 mace of Understanding {heavy, rElec
                  | Int+3}
296705 | Zig:5    | Entered Level 5 of a ziggurat
297050 | Zig:5    | Identified the ring "Nompach" {rF+ Will+ rCorr Str-5 Dex+6}
297061 | Zig:6    | Entered Level 6 of a ziggurat
297339 | Zig:6    | Identified the ring "Gaveq" {rC+ rN++ Will+ Int-5 Stlth+}
297343 | Zig:6    | Identified the +6 plate armour of the Old and Reckless
                  | {Rampage rN++ Regen+ Stlth+}
297349 | Zig:6    | Identified the amulet of Rob Moenee {Faith rElec Regen+
                  | MP-9}
297375 | Zig:7    | Entered Level 7 of a ziggurat
297375 | Zig:7    | Noticed a dread lich
297375 | Zig:7    | Noticed an ancient lich
297377 | Zig:7    | Noticed an ancient lich
297384 | Zig:7    | Killed an ancient lich
297386 | Zig:7    | Noticed a dread lich
297387 | Zig:7    | Noticed an ancient lich
297391 | Zig:7    | Noticed an ancient lich
297395 | Zig:7    | Killed an ancient lich
297400 | Zig:7    | Killed a dread lich
297403 | Zig:7    | Killed a dread lich
297408 | Zig:7    | HP: 9/218 [profane servitor/+3 demon whip of venom (13)]
297408 | Zig:7    | Slain by a profane servitor
                  | ... wielding a +3 demon whip of venom
                  | (9 damage)
297409 | Zig:7    | Killed an ancient lich
297409 | Zig:7    | Killed an ancient lich
297421 | Zig:7    | Noticed an ancient lich
297430 | Zig:7    | Slain by a ghoul (12 damage)
297452 | Zig:7    | Killed an ancient lich
297870 | Zig:8    | Entered Level 8 of a ziggurat
297881 | Zig:8    | Killed from afar by a ynoxinul (25 damage)
                  | ... with an iron shot
297887 | Zig:8    | Demolished by a reaper
                  | ... wielding a +0 scythe of protection
                  | (42 damage)
297893 | Zig:8    | Noticed Bud Kunnucve the pandemonium lord
297900 | Zig:8    | HP: 7/218 [Hell Sentinel (14)]
297900 | Zig:8    | Mangled by a demonspawn warmonger
                  | ... wielding a +0 demon trident of venom
                  | (20 damage)
297911 | Zig:8    | Demolished by a Hell Sentinel (32 damage)
297916 | Zig:8    | Killed by divine providence
                  | ... invoked by a balrug
                  | (14 damage)
297921 | Zig:8    | Demolished by a reaper
                  | ... wielding a +0 scythe of protection
                  | (30 damage)
297926 | Zig:8    | Mangled by a reaper
                  | ... wielding a +4 heavy scythe
                  | (21 damage)
297930 | Zig:8    | HP: 8/218 [smoke demon/divine providence (10)]
297931 | Zig:8    | Annihilated by a Hell Sentinel (44 damage)
297932 | Zig:8    | Killed Bud Kunnucve the pandemonium lord
297937 | Zig:8    | HP: 10/218 [??? (1)]
297937 | Zig:8    | Slain by a reaper
                  | ... wielding a +2 scythe of venom
                  | (10 damage)
297938 | Zig:8    | Gained mutation: Armour fits poorly on your strangely
                  | shaped body. [a cacodemon]
297944 | Zig:8    | HP: 10/218 [reaper/+0 scythe of protection (10)]
297945 | Zig:8    | Slain by a balrug
                  | ... wielding a +0 demon whip of electrocution
                  | (8 damage)
297955 | Zig:8    | Mangled by a reaper
                  | ... wielding a +2 scythe of venom
                  | (38 damage)
297966 | Zig:8    | Slain by a reaper
                  | ... wielding a +4 heavy scythe
                  | (16 damage)
298200 | Zig:8    | Lost mutation: Armour fits poorly on your strangely shaped
                  | body. [potion of mutation]
298200 | Zig:8    | Lost mutation: You have a somewhat thin skeletal structure.
                  | (Dex +2, Stealth+) [potion of mutation]
298200 | Zig:8    | Gained mutation: You are occasionally teleported next to
                  | monsters. [potion of mutation]
298200 | Zig:8    | Lost mutation: You are robust. (+10% HP) [potion of
                  | mutation]
298200 | Zig:8    | Gained mutation: Your mind is acute. (Int +4, Str/Dex -1)
                  | [potion of mutation]
298201 | Zig:8    | Lost mutation: Your magical capacity is low. (-10% MP)
                  | [potion of mutation]
298201 | Zig:8    | Lost mutation: You occasionally shout uncontrollably at
                  | your foes. [potion of mutation]
298201 | Zig:8    | Gained mutation: You are weak. (Str -2) [potion of
                  | mutation]
298201 | Zig:8    | Gained mutation: You have an increased reservoir of magic.
                  | (+10% MP) [potion of mutation]
298202 | Zig:8    | Lost mutation: Your mind is acute. (Int +4, Str/Dex -1)
                  | [potion of mutation]
298202 | Zig:8    | Lost mutation: You are strong-willed. (Will+) [potion of
                  | mutation]
298202 | Zig:8    | Lost mutation: You are weak. (Str -2) [potion of mutation]
298202 | Zig:8    | Gained mutation: Your flesh is cold resistant. (rC+)
                  | [potion of mutation]
298202 | Zig:8    | Gained mutation: You have sharp toenails. [potion of
                  | mutation]
298203 | Zig:8    | Lost mutation: You have sharp toenails. [potion of
                  | mutation]
298203 | Zig:8    | Lost mutation: Your flesh is cold resistant. (rC+) [potion
                  | of mutation]
298203 | Zig:8    | Lost mutation: You are occasionally teleported next to
                  | monsters. [potion of mutation]
298203 | Zig:8    | Gained mutation: You are covered in fur. (AC +1) [potion of
                  | mutation]
298204 | Zig:8    | Lost mutation: You have an increased reservoir of magic.
                  | (+10% MP) [potion of mutation]
298204 | Zig:8    | Lost mutation: You are covered in fur. (AC +1) [potion of
                  | mutation]
298204 | Zig:8    | Gained mutation: You are weak. (Str -2) [potion of
                  | mutation]
298204 | Zig:8    | Gained mutation: You have very sharp teeth. [potion of
                  | mutation]
298205 | Zig:8    | Lost mutation: You have very sharp teeth. [potion of
                  | mutation]
298205 | Zig:8    | Lost mutation: You are weak. (Str -2) [potion of mutation]
298205 | Zig:8    | Gained mutation: Armour fits poorly on your strangely
                  | shaped body. [potion of mutation]
298205 | Zig:8    | Gained mutation: Your muscles are strong. (Str +4, Int/Dex
                  | -1) [potion of mutation]
298205 | Zig:8    | Gained mutation: You are covered in fur. (AC +1) [potion of
                  | mutation]
298205 | Zig:8    | Gained mutation: You passively map a small area around you.
                  | [potion of mutation]
298206 | Zig:8    | Lost mutation: Your muscles are strong. (Str +4, Int/Dex
                  | -1) [potion of mutation]
298206 | Zig:8    | Lost mutation: You passively map a small area around you.
                  | [potion of mutation]
298206 | Zig:8    | Gained mutation: Potions are less effective at restoring
                  | your health. [potion of mutation]
298206 | Zig:8    | Gained mutation: You are vulnerable to cold. (rC-) [potion
                  | of mutation]
298206 | Zig:8    | Gained mutation: You are clumsy. (Dex -2) [potion of
                  | mutation]
298206 | Zig:8    | Lost mutation: You are clumsy. (Dex -2) [potion of
                  | mutation]
298207 | Zig:8    | Lost mutation: You are covered in fur. (AC +1) [potion of
                  | mutation]
298207 | Zig:8    | Lost mutation: Potions are less effective at restoring your
                  | health. [potion of mutation]
298207 | Zig:8    | Gained mutation: Your magical capacity is low. (-10% MP)
                  | [potion of mutation]
298208 | Zig:8    | Lost mutation: Armour fits poorly on your strangely shaped
                  | body. [potion of mutation]
298208 | Zig:8    | Lost mutation: Your magical capacity is low. (-10% MP)
                  | [potion of mutation]
298208 | Zig:8    | Gained mutation: You have supernaturally acute eyesight.
                  | (SInv) [potion of mutation]
298208 | Zig:8    | Gained mutation: You occasionally shout uncontrollably at
                  | your foes. [potion of mutation]
298208 | Zig:8    | Gained mutation: Your mind is acute. (Int +4, Str/Dex -1)
                  | [potion of mutation]
298209 | Zig:8    | Lost mutation: You are vulnerable to cold. (rC-) [potion of
                  | mutation]
298209 | Zig:8    | Lost mutation: Your mind is acute. (Int +4, Str/Dex -1)
                  | [potion of mutation]
298209 | Zig:8    | Lost mutation: You have supernaturally acute eyesight.
                  | (SInv) [potion of mutation]
298209 | Zig:8    | Gained mutation: You are robust. (+10% HP) [potion of
                  | mutation]
298209 | Zig:8    | Gained mutation: You are weak. (Str -2) [potion of
                  | mutation]
298209 | Zig:8    | Gained mutation: You are very robust. (+20% HP) [potion of
                  | mutation]
298210 | Zig:8    | Lost mutation: You occasionally shout uncontrollably at
                  | your foes. [potion of mutation]
298210 | Zig:8    | Lost mutation: You are very robust. (+20% HP) [potion of
                  | mutation]
298211 | Zig:8    | Lost mutation: You are robust. (+10% HP) [potion of
                  | mutation]
298211 | Zig:8    | Lost mutation: You are weak. (Str -2) [potion of mutation]
298211 | Zig:8    | Gained mutation: You are partially covered in iridescent
                  | scales. (AC +2) [potion of mutation]
298211 | Zig:8    | Gained mutation: You have a pair of small horns on your
                  | head. [potion of mutation]
298211 | Zig:8    | Gained mutation: Your body sometimes deteriorates upon
                  | taking damage. [potion of mutation]
298211 | Zig:8    | Gained mutation: A frigid envelope surrounds you and
                  | freezes all who hurt you. [potion of mutation]
298212 | Zig:8    | Lost mutation: Your body sometimes deteriorates upon taking
                  | damage. [potion of mutation]
298212 | Zig:8    | Lost mutation: You are partially covered in iridescent
                  | scales. (AC +2) [potion of mutation]
298212 | Zig:8    | Lost mutation: You have a pair of small horns on your head.
                  | [potion of mutation]
298212 | Zig:8    | Gained mutation: You are strong-willed. (Will+) [potion of
                  | mutation]
298233 | Zig:8    | Identified the +11 rapier of the Ten Dreams {freeze, rElec
                  | rC- Int+3 SInv}
298251 | Zig:8    | Identified the +6 falchion of Destiny {venom, Int+2 Dex+3}
298252 | Zig:8    | Identified the amulet of Kisatred {Regen+ Str+4}
298256 | Zig:8    | Identified the staff of conjuration "Qapemih" {Will++ SInv}
298267 | Zig:9    | Entered Level 9 of a ziggurat
298272 | Zig:9    | HP: 1/199 [juggernaut simulacrum (19)]
298272 | Zig:9    | Demolished by a juggernaut simulacrum (22 damage)
298281 | Zig:9    | Paralysed by a wendigo for 1 turns
298282 | Zig:9    | HP: 7/199 [wendigo/seracfall (11)]
298287 | Zig:9    | HP: 5/199 [nargun (4)]
298287 | Zig:9    | Demolished by a nargun (19 damage)
298300 | Zig:9    | Slain by an Ice Fiend (23 damage)
298307 | Zig:9    | Paralysed by a wendigo for 1 turns
298324 | Zig:9    | Identified the +4 fire dragon scales "Qearu" {rF++ rC-
                  | Dex+2}
298346 | Zig:9    | Identified the staff of conjuration "Hest" {rN+ rCorr}
298359 | Zig:9    | Identified the +8 arbalest of the Asp {penet, Will- Int+5}
298362 | Zig:9    | Identified the amulet of the Camelopard {Spirit rN+}
298372 | Zig:9    | Identified the ring "Xulad" {Ice Dex+3 Slay+3}
298384 | Zig:10   | Entered Level 10 of a ziggurat
298384 | Zig:10   | Noticed a royal mummy
298384 | Zig:10   | Noticed a royal mummy
298384 | Zig:10   | Noticed a royal mummy
298384 | Zig:10   | Noticed an ancient lich
298384 | Zig:10   | Noticed a royal mummy
298393 | Zig:10   | Killed an ancient lich
298396 | Zig:10   | HP: 2/199 [death scarab[a royal mummy] (9)]
298396 | Zig:10   | Slain by a royal mummy (5 damage)
298397 | Zig:10   | Killed a royal mummy
298409 | Zig:10   | HP: 9/199 [mummy priest/divine providence (14)]
298410 | Zig:10   | Killed a royal mummy
298410 | Zig:10   | Killed by a royal mummy's death curse (15 damage)
298421 | Zig:10   | Slain by a royal mummy (18 damage)
298425 | Zig:10   | Killed a royal mummy
298427 | Zig:10   | HP: 6/199 [mummy priest/divine providence (8)]
298430 | Zig:10   | Killed by divine providence
                  | ... invoked by a mummy priest
                  | (9 damage)
298440 | Zig:10   | Killed a royal mummy
298442 | Zig:10   | Noticed a royal mummy
298455 | Zig:10   | Killed a royal mummy
298456 | Zig:10   | Noticed a royal mummy
298456 | Zig:10   | Noticed a royal mummy
298459 | Zig:10   | HP: 1/199 [royal mummy/divine providence (13)]
298460 | Zig:10   | Killed by divine providence
                  | ... invoked by a mummy priest
                  | (17 damage)
298462 | Zig:10   | Noticed a royal mummy
298476 | Zig:10   | Killed a royal mummy
298476 | Zig:10   | Killed by a royal mummy's death curse (29 damage)
298478 | Zig:10   | Killed a royal mummy
298495 | Zig:10   | Killed a royal mummy
298938 | Zig:11   | Entered Level 11 of a ziggurat
298938 | Zig:11   | Noticed a dread lich
298954 | Zig:11   | HP: 2/199 [white draconian stormcaller/divine providence
                  | (11)]
298954 | Zig:11   | Killed from afar by a yellow draconian annihilator (43
                  | damage)
                  | ... with an iron shot
299006 | Zig:11   | Killed from afar by a red draconian scorcher (30 damage)
                  | ... with damnation
299055 | Zig:11   | Killed a dread lich
299079 | Zig:11   | Identified the ring "Xoevon" {Fly Will+}
299099 | Zig:11   | Identified the +1 rapier "Veukuil" {drain, rN+++ rCorr
                  | Dex-4 SInv}
299107 | Zig:11   | Identified the staff of death "Niukoorph" {Fragile rN+
                  | Dex+6 Stlth+}
299110 | Zig:11   | Identified the staff of air "Afarph" {rElec Str-4 Int+3
                  | Dex+4}
299304 | Zig:12   | Entered Level 12 of a ziggurat
299332 | Zig:12   | HP: 7/199 [merfolk aquamancer/ball of steam (36)]
299337 | Zig:12   | HP: 3/199 [water nymph/the raging water (3)]
299339 | Zig:12   | Hit by a silver javelin thrown by a merfolk javelineer (6
                  | damage)
299601 | Zig:12   | Identified the ring of Bitazusu {Will+ Int+2 Dex+2 SInv}
299603 | Zig:12   | Identified the staff of cold "Vokk" {rC+ Int+2}
299610 | Zig:12   | Identified the +0 leather armour "Zainlo" {rPois Int+4
                  | Dex-5}
299640 | Zig:12   | Identified the staff of death "Vish" {rPois rF++ rN+}
299676 | Zig:13   | Entered Level 13 of a ziggurat
299702 | Zig:13   | HP: 4/199 [acid blob/splash of acid (6)]
299703 | Zig:13   | Mangled by a rockslime (13 damage)
299721 | Zig:13   | HP: 6/199 [acid blob/splash of acid (8)]
299721 | Zig:13   | Demolished by an acid blob (20 damage)
299726 | Zig:13   | Paralysed by a floating eye for 2 turns
299730 | Zig:13   | HP: 8/199 [acid blob/splash of acid (9)]
299731 | Zig:13   | HP: 2/199 [acid (3)]
299731 | Zig:13   | Annihilated by a rockslime (36 damage)
299732 | Zig:13   | Paralysed by a floating eye for 3 turns
299738 | Zig:13   | Mangled by an acid blob (33 damage)
299744 | Zig:13   | Paralysed by a floating eye for 2 turns
299745 | Zig:13   | Demolished by an acid blob (37 damage)
                  | ... while paralysed by a floating eye
299752 | Zig:13   | Paralysed by a floating eye for 2 turns
299752 | Zig:13   | Mangled by an acid blob (19 damage)
                  | ... while paralysed by a floating eye
299758 | Zig:13   | HP: 8/199 [acid blob/splash of acid (8)]
299759 | Zig:13   | Annihilated by an acid blob (40 damage)
299761 | Zig:13   | Paralysed by a floating eye for 2 turns
299768 | Zig:13   | HP: 8/199 [quicksilver ooze (4)]
299769 | Zig:13   | Demolished by a quicksilver ooze (24 damage)
299772 | Zig:13   | Paralysed by a floating eye for 2 turns
299779 | Zig:13   | HP: 7/199 [azure jelly (5)]
299781 | Zig:13   | Demolished by a quicksilver ooze (23 damage)
299797 | Zig:13   | Blown up by an eye of devastation (35 damage)
                  | ... with a bolt of energy
300115 | Zig:13   | Identified the amulet of Kanon {RegenMP *Corrode rPois rC+
                  | MP+9}
300130 | Zig:13   | Identified the staff of fire "Yjemoj" {rF+ Dex+2}
300139 | Zig:13   | Identified the +9 spear "Ighu" {spect, rC+ rN+ Str-4 Dex+3}
300160 | Zig:13   | Identified the staff of conjuration "Yruennir" {Str+2}
300310 | Zig:14   | Entered Level 14 of a ziggurat
300334 | Zig:14   | HP: 8/199 [emperor scorpion (5)]
300337 | Zig:14   | HP: 2/199 [emperor scorpion (6)]
300337 | Zig:14   | Mangled by an emperor scorpion (8 damage)
300385 | Zig:14   | HP: 9/199 [merfolk javelineer/+5 heavy spear (14)]
300393 | Zig:14   | HP: 3/199 [merfolk javelineer/+5 heavy spear (4)]
300393 | Zig:14   | Demolished by an eight-headed hydra (18 damage)
300571 | Zig:14   | Identified the +3 cloak of Ru, Lusting {Harm +Blink Int+2}
300577 | Zig:14   | Identified the staff of air "Ettuif" {rElec Str+5}
300619 | Zig:14   | Identified the +0 sling of the Forsaken Villages {heavy,
                  | Int+6}
300623 | Zig:14   | Identified the +9 ring mail of Boredom {Str+4 Int+3 SInv}
300628 | Zig:14   | Identified the +2 plate armour of Knowledge {Dex+4}
300634 | Zig:15   | Entered Level 15 of a ziggurat
300852 | Zig:15   | Identified the +7 hand axe "Plog" {vamp, Will+}
300858 | Zig:15   | Identified the +6 spear "Uza Puut" {flame, Will+}
300903 | Zig:15   | Identified the +11 dire flail "Vema Dyiz" {flame, Fly
                  | rCorr}
300932 | Zig:15   | Identified the ring "Kayra" {Wiz Dex+3}
300937 | Zig:15   | Identified the +1 shortbow "Yriges" {flame, rF++}
300941 | Zig:15   | Identified the +8 sling "Wafaiv" {elec, rElec Will+ Dex-4}
300947 | Zig:15   | Identified the +0 ring mail of the Unstoppable Dances {rF++
                  | Dex+3}
300951 | Zig:15   | Identified the +10 dagger of Ywihin {protect, *Slow rElec
                  | rN+ MP+9}
300956 | Zig:15   | Acquired 629 gold pieces
300970 | Zig:16   | Entered Level 16 of a ziggurat
301034 | Zig:16   | HP: 8/199 [nagaraja/+0 halberd (2)]
301034 | Zig:16   | HP: 1/199 [tentacled monstrosity (7)]
301036 | Zig:16   | Slain by a tentacled monstrosity (2 damage)
301284 | Zig:16   | Identified the +5 plate armour of the Hidden Vale {Fly
                  | rF+++ rC+ Dex-4}
301286 | Zig:16   | Identified the amulet "Duop" {RegenMP *Slow +Inv Will+
                  | Dex+6}
301347 | Zig:16   | Identified the ring of Vucan {Wiz Slay+3}
301351 | Zig:16   | Identified the +4 mace of Plunder {drain, *Rage rC+ Dex+2
                  | SInv}
301358 | Zig:16   | Identified the +10 war axe of the Bespelling Seer {pain,
                  | rElec rCorr Int+6}
301369 | Zig:16   | Identified the +7 long sword of Focus {heavy, rN+ Dex+4}
301377 | Zig:16   | Identified the +1 pair of boots of the Hidden Demons {Int+6
                  | Dex+3}
301392 | Zig:16   | Identified the ring "Zoatuah" {*Slow rC+ Int+7}
301430 | Zig:17   | Entered Level 17 of a ziggurat
301448 | Zig:17   | HP: 2/199 [red draconian scorcher] (15)]
301449 | Zig:17   | Killed by divine providence
                  | ... invoked by a white draconian stormcaller
                  | (8 damage)
301471 | Zig:17   | HP: 9/199 [white draconian stormcaller/divine providence
                  | (7)]
301472 | Zig:17   | Killed from afar by a purple draconian shifter (13 damage)
                  | ... with a bolt of dispelling energy
301507 | Zig:17   | HP: 6/199 [acid (5)]
301507 | Zig:17   | Killed from afar by a white draconian stormcaller (19
                  | damage)
301526 | Zig:17   | HP: 8/199 [acid (4)]
301527 | Zig:17   | Killed by divine providence
                  | ... invoked by a white draconian stormcaller
                  | (12 damage)
301756 | Zig:17   | Identified the +0 robe "Violeor" {rPois Str+2 Int-3 SInv}
301757 | Zig:17   | Identified the +0 leather armour of Inaction {Str+2}
301772 | Zig:17   | Identified the staff of earth "Akhlaosu" {rN++}
301792 | Zig:17   | Identified the ring of Hiysewua {Fly Int+5}
301795 | Zig:17   | Identified the staff of fire "Xiukkech" {rF+ rN+ Dex+2}
301806 | Zig:17   | Identified the +0 scale mail of Nearo {rElec}
301807 | Zig:17   | Identified the +3 scimitar of Collusion {freeze, rPois
                  | Will+ Str+3 Int-5}
301814 | Zig:17   | Identified the +3 trident of the Eleven Planets {venom,
                  | *Slow rN+++ Dex-5 SInv}
301846 | Zig:17   | Identified the staff of death "Oletty" {rN+ Will+ Dex+3}
301855 | Zig:18   | Entered Level 18 of a ziggurat
301855 | Zig:18   | Noticed an ancient lich
301855 | Zig:18   | Noticed an ancient lich
301855 | Zig:18   | Noticed an ancient lich
301856 | Zig:18   | Killed an ancient lich
301858 | Zig:18   | Noticed an ancient lich
301866 | Zig:18   | Noticed an ancient lich
301872 | Zig:18   | Noticed an ancient lich
301872 | Zig:18   | Killed an ancient lich
301873 | Zig:18   | Killed an ancient lich
301873 | Zig:18   | Noticed an ancient lich
301874 | Zig:18   | Killed from afar by a deep elf annihilator (33 damage)
                  | ... with a crystal spear
301876 | Zig:18   | Noticed an ancient lich
301878 | Zig:18   | Noticed an ancient lich
301881 | Zig:18   | Killed an ancient lich
301881 | Zig:18   | Noticed an ancient lich
301884 | Zig:18   | Killed an ancient lich
301885 | Zig:18   | Noticed an ancient lich
301888 | Zig:18   | Killed an ancient lich
301893 | Zig:18   | Killed an ancient lich
301893 | Zig:18   | Killed an ancient lich
301893 | Zig:18   | Mangled by a nagaraja
                  | ... wielding a +0 spear
                  | (17 damage)
301894 | Zig:18   | Noticed an ancient lich
301900 | Zig:18   | Killed an ancient lich
301902 | Zig:18   | Noticed an ancient lich
301902 | Zig:18   | Killed an ancient lich
301902 | Zig:18   | Killed an ancient lich
301905 | Zig:18   | Noticed an ancient lich
301907 | Zig:18   | Killed an ancient lich
301912 | Zig:18   | HP: 5/199 [black draconian knight/bolt of lightning (6)]
301912 | Zig:18   | Slain by a black draconian knight
                  | ... wielding a +2 bardiche
                  | (5 damage)
301918 | Zig:18   | Killed an ancient lich
301923 | Zig:18   | Paralysed by a floating eye for 4 turns
301923 | Zig:18   | Killed from afar by a red draconian scorcher (24 damage)
                  | ... with a searing blast
                  | ... while paralysed by a floating eye
301928 | Zig:18   | Killed an ancient lich
301956 | Zig:18   | HP: 1/199 [disintegration (16)]
301963 | Zig:18   | Blown up by an orb spider (6 damage)
                  | ... with an orb of destruction
302221 | Zig:18   | Identified the +1 battleaxe "Wuerchoba" {venom, rPois rC-
                  | Str+2 Dex+3}
302224 | Zig:18   | Identified the staff of poison "Ufyunoqy" {rPois rC- Str+3
                  | Dex+8}
302235 | Zig:18   | Identified the ring "Loufe" {rN+ Will+ Str+4 Slay-3}
302246 | Zig:18   | Identified the ring "Haaren" {rF+ EV+5 Str+4 Slay-6}
302250 | Zig:18   | Identified the +8 morningstar of Karma {heavy, Str+5}
302251 | Zig:18   | Identified the ring of Isaaffou {rPois rF- rC+ Dex+6}
302289 | Zig:18   | Identified the +3 scimitar of the Scroll {spect, Fly MP-9
                  | Str+5}
302302 | Zig:18   | Identified the +4 shortbow of the Blowfly {freeze, rF+++
                  | rC- rN+}
302313 | Zig:18   | Identified the amulet "Wocuof" {Fragile rElec Regen+ Str+2
                  | Stlth+}
302318 | Zig:18   | Identified the +8 hand axe of Migoaq {drain, rF+ Str-5
                  | Int+8 Dex+2}
302325 | Zig:18   | Identified the +8 spear of the Crawling Thing {flame, Will+
                  | Int+3}
302363 | Zig:18   | Identified the ring of the Transparent God {rF- rC+ EV+5
                  | Str+2}
302386 | Zig:18   | Acquired the ring "Xaulipso" {rF++ MP+9}
302389 | Zig:18   | Identified the +6 spear "Beastbane" {antimagic, rPois rN+
                  | Will+ Int-3}
302391 | Zig:19   | Entered Level 19 of a ziggurat
302409 | Zig:19   | HP: 9/199 [water nymph/the raging water (6)]
302416 | Zig:19   | Killed by the raging water
                  | ... invoked by a water nymph
                  | (15 damage)
302446 | Zig:19   | Killed by the raging water
                  | ... invoked by a water nymph
                  | (23 damage)
302491 | Zig:19   | Killed by the raging water
                  | ... invoked by a water nymph
                  | (15 damage)
302693 | Zig:19   | Identified the +1 trident of Salt {freeze, *Noise rC+ rCorr
                  | Int+4}
302694 | Zig:19   | Identified the amulet of Gepetueth {rPois Regen+}
302700 | Zig:19   | Identified the staff of fire "Ziungo" {rElec rF+}
302712 | Zig:19   | Identified the +4 plate armour of the Salamander {Str+3}
302726 | Zig:20   | Entered Level 20 of a ziggurat
302726 | Zig:20   | Noticed a dread lich
302726 | Zig:20   | Noticed an ancient lich
302726 | Zig:20   | Noticed a dread lich
302727 | Zig:20   | Killed a dread lich
302728 | Zig:20   | Noticed an ancient lich
302730 | Zig:20   | Noticed an ancient lich
302731 | Zig:20   | Noticed an ancient lich
302732 | Zig:20   | Noticed an ancient lich
302735 | Zig:20   | Noticed an ancient lich
302742 | Zig:20   | Noticed an ancient lich
302742 | Zig:20   | Noticed an ancient lich
302744 | Zig:20   | Killed an ancient lich
302745 | Zig:20   | Noticed an ancient lich
302746 | Zig:20   | Noticed a dread lich
302748 | Zig:20   | Killed an ancient lich
302749 | Zig:20   | Noticed an ancient lich
302749 | Zig:20   | Noticed an ancient lich
302749 | Zig:20   | Noticed an ancient lich
302752 | Zig:20   | Mangled by a vampire knight
                  | ... wielding a +3 bardiche of freezing
                  | (16 damage)
302753 | Zig:20   | Killed an ancient lich
302753 | Zig:20   | Killed a dread lich
302754 | Zig:20   | Killed from afar by an ancient lich (129 damage)
                  | ... with a crystal spear
302760 | Zig:20   | Noticed an ancient lich
302760 | Zig:20   | Killed an ancient lich
302760 | Zig:20   | Noticed an ancient lich
302761 | Zig:20   | Noticed an ancient lich
302762 | Zig:20   | Killed an ancient lich
302765 | Zig:20   | Killed an ancient lich
302767 | Zig:20   | Noticed a dread lich
302769 | Zig:20   | Noticed an ancient lich
302771 | Zig:20   | Killed a dread lich
302774 | Zig:20   | Killed an ancient lich
302775 | Zig:20   | Killed an ancient lich
302776 | Zig:20   | HP: 9/199 [??? (1)]
302780 | Zig:20   | HP: 2/199 [revenant] (4)]
302782 | Zig:20   | Engulfed by a revenant's spectral mist (7 damage)
302783 | Zig:20   | Killed an ancient lich
302786 | Zig:20   | Killed an ancient lich
302787 | Zig:20   | HP: 2/199 [ancient lich/bolt of acid (28)]
302789 | Zig:20   | Killed an ancient lich
302789 | Zig:20   | Killed from afar by an ancient champion (28 damage)
                  | ... with an iron shot
302791 | Zig:20   | Killed an ancient lich
302794 | Zig:20   | Killed an ancient lich
302795 | Zig:20   | Killed an ancient lich
302797 | Zig:20   | Killed an ancient lich
302798 | Zig:20   | Killed an ancient lich
302798 | Zig:20   | Killed a dread lich
302800 | Zig:20   | Noticed a dread lich
302802 | Zig:20   | Slain by a spectral caustic shrike (16 damage)
                  | ... called from beyond by a revenant
302811 | Zig:20   | HP: 7/199 [vampire knight/+3 broad axe (6)]
302813 | Zig:20   | HP: 2/199 [bone dragon (6)]
302817 | Zig:20   | Slain by a bone dragon (6 damage)
302831 | Zig:20   | HP: 9/199 [profane servitor/+1 whip (9)]
302832 | Zig:20   | HP: 4/199 [profane servitor/+2 whip (5)]
302833 | Zig:20   | HP: 1/199 [profane servitor/+2 whip (3)]
302834 | Zig:20   | Slain by a profane servitor
                  | ... wielding a +2 whip
                  | (5 damage)
302842 | Zig:20   | Killed a dread lich
302872 | Zig:20   | Slain by an ancient champion
                  | ... wielding a +3 great sword
                  | (15 damage)
302885 | Zig:20   | Slain by an ancient champion
                  | ... wielding a +1 heavy battleaxe
                  | (17 damage)
303420 | Zig:20   | Identified the staff of poison "Juclo" {*Corrode +Blink
                  | rPois Int+2}
303421 | Zig:20   | Identified the staff of cold "Coejokke" {rC+ Will+ Int+3
                  | Dex+3}
303428 | Zig:20   | Identified the staff of conjuration "Vuotagoz" {rElec Str-4
                  | Int-2 SInv}
303436 | Zig:20   | Identified the +9 great mace of Zouwn {pain, rElec rN+
                  | Dex-3}
303444 | Zig:20   | Identified the +1 scale mail of Luawacs {-Tele rC+ rN+++}
303452 | Zig:20   | Identified the +2 trident "Noex" {drain, rElec rC+ Will+
                  | Str+2}
303453 | Zig:20   | Identified the +1 spear of the Solstice {freeze, Will++
                  | rCorr Str-5 Dex+3}
303460 | Zig:20   | Identified the +5 falchion "Tidituf" {freeze, Int+2}
303465 | Zig:20   | Identified the +1 helmet of Upnur {Contam rPois Str+5}
303508 | Zig:20   | Identified the +3 scimitar of Iffexta {antimagic, rCorr}
303511 | Zig:20   | Identified the +5 ring mail of the Sailor {rF++}
303520 | Zig:20   | Identified the +1 plate armour of Valiance {Rampage rC-
                  | rCorr Int+3}
303532 | Zig:20   | Identified the +2 dagger of Cipnacad {speed, Str+2}
303539 | Zig:21   | Entered Level 21 of a ziggurat
303539 | Zig:21   | Noticed a dread lich
303539 | Zig:21   | Noticed a dread lich
303539 | Zig:21   | Noticed an ancient lich
303551 | Zig:21   | Killed a dread lich
303552 | Zig:21   | HP: 7/199 [bone dragon (3)]
303556 | Zig:21   | Engulfed by a cloud of thunder (4 damage)
303561 | Zig:21   | Killed an ancient lich
303562 | Zig:21   | Killed a dread lich
303571 | Zig:21   | HP: 5/199 [profane servitor/+1 demon whip of pain (12)]
303571 | Zig:21   | Slain by a profane servitor
                  | ... wielding a +3 demon whip of venom
                  | (5 damage)
303599 | Zig:21   | HP: 3/199 [Tzitzimitl (10)]
303600 | Zig:21   | HP: 1/199 [spectral quicksilver dragon (3)]
303601 | Zig:21   | Slain by a Tzitzimitl (4 damage)
303639 | Zig:21   | HP: 7/199 [reaper/+1 scythe of freezing (12)]
303639 | Zig:21   | HP: 3/199 [bone dragon (4)]
303644 | Zig:21   | Slain by a bone dragon (7 damage)
303679 | Zig:21   | HP: 1/199 [reaper/+2 scythe of protection (15)]
303683 | Zig:21   | Mangled by a reaper
                  | ... wielding a +1 heavy scythe
                  | (9 damage)
303697 | Zig:21   | Noticed a dread lich
303701 | Zig:21   | Killed from afar by a hellion (26 damage)
                  | ... with damnation
303722 | Zig:21   | HP: 9/199 [reaper/+2 scythe of distortion (4)]
303722 | Zig:21   | Mangled by a bone dragon (17 damage)
303733 | Zig:21   | Killed a dread lich
303753 | Zig:21   | HP: 9/199 [??? (1)]
303754 | Zig:21   | HP: 2/199 [bone dragon (7)]
303757 | Zig:21   | Slain by a bone dragon (7 damage)
303788 | Zig:21   | HP: 3/199 [bone dragon (7)]
303792 | Zig:21   | Slain by a tainted leviathan (9 damage)
303848 | Zig:21   | HP: 6/199 [reaper/+2 heavy scythe (13)]
303851 | Zig:21   | Annihilated by a reaper
                  | ... wielding a +3 vampiric scythe
                  | (29 damage)
303869 | Zig:21   | HP: 8/199 [reaper/+4 scythe of flaming (5)]
303869 | Zig:21   | Demolished by a reaper
                  | ... wielding a +3 vampiric scythe
                  | (22 damage)
303926 | Zig:21   | Identified the amulet "Yqepuxim" {rPois Regen+ Int-2 Dex+2
                  | Stlth+}
303927 | Zig:21   | Identified the amulet "Soqeul" {Reflect rC+ rCorr SH+5}
303929 | Zig:21   | Identified the +1 quarterstaff of Disgust {freeze, rC++
                  | Will+ SInv}
303935 | Zig:21   | Paralysed by a floating eye for 4 turns
304157 | Zig:21   | Paralysed by a floating eye for 2 turns
304180 | Zig:21   | Identified the amulet "Gac Cavi" {Acrobat rF+ Int-4 Dex+2}
304203 | Zig:21   | Identified the +0 scale mail "Jeqem" {Harm Str+3 Dex+3}
304214 | Zig:21   | Identified the staff of death "Fugunk" {rPois rF- rN+
                  | Str+3}
304218 | Zig:21   | Identified the staff of poison "Zuusimm" {rPois Dex+3}
304232 | Zig:21   | Identified the +5 flail of the Gnat {flame, Str+3 Int+7}
304242 | Zig:21   | Identified the +4 chain mail of the Thoughtful Quests {rF+
                  | Str+2}
304251 | Zig:21   | Identified the ring of Leytwef {Wiz Dex+2}
304259 | Zig:22   | Entered Level 22 of a ziggurat
304268 | Zig:22   | Killed a starcursed mass
304281 | Zig:22   | Paralysed by accursed screaming for 2 turns
304282 | Zig:22   | Slain by a large abomination (22 damage)
                  | ... while paralysed by accursed screaming
304289 | Zig:22   | HP: 3/159 [demonspawn corrupter/+2 great sword of
                  | distortion (10)]
304289 | Zig:22   | HP: 1/159 [demonspawn corrupter/+2 great sword of
                  | distortion (2)]
304290 | Zig:22   | Engulfed by a revenant's spectral mist (3 damage)
                  | ... summoned by a demonspawn corrupter
304294 | Zig:22   | Paralysed by accursed screaming for 2 turns
304298 | Zig:22   | Killed from afar by a starcursed mass (36 damage)
                  | ... with an accursed screaming
304301 | Zig:22   | Paralysed by accursed screaming for 2 turns
304306 | Zig:22   | Killed from afar by a starcursed mass (57 damage)
                  | ... with an accursed screaming
304306 | Zig:22   | Paralysed by accursed screaming for 2 turns
304312 | Zig:22   | Paralysed by accursed screaming for 2 turns
304312 | Zig:22   | Killed from afar by a lich (70 damage)
                  | ... with a bolt of cold
                  | ... while paralysed by accursed screaming
304321 | Zig:22   | Paralysed by accursed screaming for 2 turns
304322 | Zig:22   | HP: 7/159 [red draconian scorcher/searing blast (21)]
304323 | Zig:22   | Engulfed by a red draconian scorcher's flame (8 damage)
                  | ... while paralysed by accursed screaming
304330 | Zig:22   | Engulfed by a cloud of flame (13 damage)
304333 | Zig:22   | Paralysed by accursed screaming for 2 turns
304338 | Zig:22   | Slain by an acid blob (27 damage)
304352 | Zig:22   | Demolished by a vampire knight
                  | ... wielding a +0 glaive of venom
                  | ... summoned by a demonspawn corrupter
                  | (27 damage)
304354 | Zig:22   | Paralysed by accursed screaming for 2 turns
304355 | Zig:22   | Lost intelligence.
304356 | Zig:22   | Mangled by a vampire knight
                  | ... wielding a +0 glaive of venom
                  | ... summoned by a demonspawn corrupter
                  | (23 damage)
                  | ... while paralysed by accursed screaming
304359 | Zig:22   | HP: 3/139 [smoke demon/divine providence (8)]
304359 | Zig:22   | Killed from afar by a starcursed mass (33 damage)
                  | ... with an accursed screaming
                  | ... while paralysed by accursed screaming
304361 | Zig:22   | Killed by divine providence
                  | ... invoked by a smoke demon
                  | (9 damage)
304372 | Zig:22   | Paralysed by accursed screaming for 2 turns
304372 | Zig:22   | HP: 5/139 [demonspawn corrupter/+0 glaive (15)]
304372 | Zig:22   | Mangled by a demonspawn corrupter
                  | ... wielding a +1 vampiric glaive
                  | (18 damage)
                  | ... while paralysed by accursed screaming
304377 | Zig:22   | Killed from afar by a wretched star (23 damage)
                  | ... with a lance of force
304419 | Zig:22   | HP: 8/199 [angel/+3 whip of holy wrath (12)]
304419 | Zig:22   | Mangled by a hellephant (17 damage)
304437 | Zig:22   | Paralysed by accursed screaming for 2 turns
304454 | Zig:22   | Gained mutation: You are frail. (-10% HP) [a neqoxec]
304465 | Zig:22   | HP: 2/134 [starcursed mass/accursed screaming (16)]
304466 | Zig:22   | Killed by divine providence
                  | ... invoked by a smoke demon
                  | (14 damage)
304477 | Zig:22   | Paralysed by accursed screaming for 1 turns
304502 | Zig:22   | Paralysed by accursed screaming for 1 turns
304508 | Zig:22   | Paralysed by accursed screaming for 2 turns
304513 | Zig:22   | Paralysed by accursed screaming for 2 turns
304520 | Zig:22   | Blown up by a lich (65 damage)
                  | ... with an orb of destruction
304570 | Zig:22   | Paralysed by accursed screaming for 2 turns
304571 | Zig:22   | HP: 2/174 [starcursed mass/accursed screaming (8)]
304572 | Zig:22   | Mangled by a large abomination (13 damage)
                  | ... while paralysed by accursed screaming
304581 | Zig:22   | Paralysed by accursed screaming for 2 turns
304885 | Zig:22   | Identified the ring of Xom's Best Wishes {rPois Str+4}
304891 | Zig:22   | Identified the ring of Divine Compulsion {Str+3 Int+6}
304902 | Zig:22   | Identified the amulet of Kiylath {Acrobat Rampage Fly Int+2
                  | Dex+2}
304930 | Zig:22   | Identified the +9 battleaxe "Ixtiat" {freeze, rElec Dex+2
                  | SInv}
304934 | Zig:22   | Identified the +6 quarterstaff "Jeahenyadu" {drain, Dex+3}
304941 | Zig:22   | Identified the +1 plate armour "Tafruceq" {-Tele rN++}
304954 | Zig:22   | Identified the ring "Riarurr" {rPois rF+}
304978 | Zig:22   | Identified the staff of air "Cocepneto" {rElec Will++ Str-5
                  | Dex+3}
304984 | Zig:22   | Identified the amulet of Jimuweb {Spirit Fragile Fly Str+7
                  | SInv}
304990 | Zig:22   | Identified the +16 crystal plate armour "Maosovet" {rF-
                  | Will- Str+9 Dex+2}
305003 | Zig:22   | Identified the staff of earth "Pynywoc" {Dex+2}
305017 | Zig:22   | Identified the +0 bardiche "Pelif" {flame, rPois Str+2}
305034 | Zig:22   | Identified the +3 hand axe of Royalism {drain, Int+4}
305035 | Zig:22   | Identified the amulet "Paoqix" {Faith rF++ rN+ Will-}
305052 | Zig:23   | Entered Level 23 of a ziggurat
305441 | Zig:23   | Identified the +1 leather armour of Space {Regen+ MP-9
                  | Int+10 Dex-5}
305458 | Zig:23   | Identified the staff of poison "Nifafiurph" {rPois rN+
                  | Dex+2}
305467 | Zig:23   | Identified the staff of poison "Yseczac" {+Blink rPois
                  | rCorr Int+6}
305468 | Zig:23   | Identified the staff of conjuration "Seragu" {rC++ Will-
                  | Int+3}
305477 | Zig:23   | Identified the amulet "Fessutuz" {Acrobat Drain rPois Int+6
                  | Stlth+}
305487 | Zig:23   | Identified the +4 ring mail "Huedauw" {rCorr Stlth+}
305488 | Zig:23   | Identified the ring of Jetakk {rN+ AC+4 Int+3}
305490 | Zig:23   | Identified the +11 falchion "Irhypa" {vamp, rF+ Str+5}
305517 | Zig:23   | Identified the +0 scale mail of Qazlal's Approval {Will-
                  | Int+3}
305523 | Zig:23   | Identified the +5 falchion of a wizard's laboratory {venom,
                  | *Rage rN+++ Will- Int+9}
305538 | Zig:24   | Entered Level 24 of a ziggurat
305538 | Zig:24   | Noticed Ruih the pandemonium lord
305538 | Zig:24   | Noticed Janwon the pandemonium lord
305538 | Zig:24   | Noticed Hupiv Ziy the pandemonium lord
305538 | Zig:24   | Noticed Muleufot the pandemonium lord
305538 | Zig:24   | Noticed Dilorhith the pandemonium lord
305538 | Zig:24   | Noticed Cowkix Hio the pandemonium lord
305538 | Zig:24   | Noticed Sups the pandemonium lord
305538 | Zig:24   | Noticed Upizuuh the pandemonium lord
305538 | Zig:24   | Noticed Axoor the pandemonium lord
305538 | Zig:24   | Noticed Ynigimea the pandemonium lord
305538 | Zig:24   | Noticed Niotriy the pandemonium lord
305538 | Zig:24   | Noticed Wossoj the pandemonium lord
305538 | Zig:24   | Noticed Boffad the pandemonium lord
305538 | Zig:24   | Noticed Wegazet the pandemonium lord
305538 | Zig:24   | Noticed Tosief the pandemonium lord
305538 | Zig:24   | Noticed Zaxtuydi the pandemonium lord
305538 | Zig:24   | Noticed Lomerul the pandemonium lord
305538 | Zig:24   | Noticed Putzyeko the pandemonium lord
305538 | Zig:24   | Noticed Unuagiol the pandemonium lord
305538 | Zig:24   | Noticed Haditwac the pandemonium lord
305538 | Zig:24   | Noticed Meseom the pandemonium lord
305538 | Zig:24   | Noticed Tituax the pandemonium lord
305538 | Zig:24   | Noticed Ogeradd the pandemonium lord
305538 | Zig:24   | Noticed Jugygov Sino the pandemonium lord
305538 | Zig:24   | Noticed Denig the pandemonium lord
305538 | Zig:24   | Noticed Gaimenus the pandemonium lord
305538 | Zig:24   | Noticed Nelamiy the pandemonium lord
305538 | Zig:24   | Noticed Aqea the pandemonium lord
305538 | Zig:24   | Noticed Hesa Puppol the pandemonium lord
305538 | Zig:24   | Noticed Lemitei the pandemonium lord
305538 | Zig:24   | Noticed Zentuot the pandemonium lord
305538 | Zig:24   | Noticed Nehaw the pandemonium lord
305538 | Zig:24   | Noticed Kuqosk the pandemonium lord
305538 | Zig:24   | Noticed Ycludwoy the pandemonium lord
305538 | Zig:24   | Noticed Geosel the pandemonium lord
305539 | Zig:24   | Noticed Kocuidam the pandemonium lord
305540 | Zig:24   | Noticed Hihuutz the pandemonium lord
305540 | Zig:24   | Noticed Impeth the pandemonium lord
305541 | Zig:24   | Killed Geosel the pandemonium lord
305541 | Zig:24   | Noticed Biciq the pandemonium lord
305541 | Zig:24   | Noticed Hiergh the pandemonium lord
305541 | Zig:24   | Killed Ruih the pandemonium lord
305541 | Zig:24   | Noticed Aquow the pandemonium lord
305542 | Zig:24   | Killed Nehaw the pandemonium lord
305542 | Zig:24   | Killed Kuqosk the pandemonium lord
305542 | Zig:24   | Killed Zaxtuydi the pandemonium lord
305542 | Zig:24   | Killed Jugygov Sino the pandemonium lord
305542 | Zig:24   | Noticed Xyxo the pandemonium lord
305543 | Zig:24   | Noticed Nepsing the pandemonium lord
305543 | Zig:24   | Killed Ycludwoy the pandemonium lord
305543 | Zig:24   | Noticed Kametoag the pandemonium lord
305544 | Zig:24   | Killed Aqea the pandemonium lord
305544 | Zig:24   | Noticed Jauxon the pandemonium lord
305544 | Zig:24   | Killed Janwon the pandemonium lord
305544 | Zig:24   | Killed Sups the pandemonium lord
305544 | Zig:24   | Killed Meseom the pandemonium lord
305545 | Zig:24   | Noticed Yfu Mim the pandemonium lord
305545 | Zig:24   | Noticed Zeibrosm the pandemonium lord
305545 | Zig:24   | Noticed Ixaff the pandemonium lord
305545 | Zig:24   | Killed Hupiv Ziy the pandemonium lord
305545 | Zig:24   | Killed Gaimenus the pandemonium lord
305545 | Zig:24   | Noticed Soptoiti the pandemonium lord
305545 | Zig:24   | Killed Niotriy the pandemonium lord
305545 | Zig:24   | Noticed Pastum the pandemonium lord
305546 | Zig:24   | Noticed Vitsile the pandemonium lord
305546 | Zig:24   | Killed Haditwac the pandemonium lord
305546 | Zig:24   | Noticed Agraqoch the pandemonium lord
305546 | Zig:24   | Noticed Voimuh the pandemonium lord
305546 | Zig:24   | Killed Wegazet the pandemonium lord
305546 | Zig:24   | Noticed Ruojyife the pandemonium lord
305546 | Zig:24   | Killed Lemitei the pandemonium lord
305547 | Zig:24   | Noticed Qeodghek the pandemonium lord
305547 | Zig:24   | Killed Zentuot the pandemonium lord
305547 | Zig:24   | Killed Tosief the pandemonium lord
305547 | Zig:24   | Killed Upizuuh the pandemonium lord
305547 | Zig:24   | Noticed Zuicuul the pandemonium lord
305547 | Zig:24   | Noticed Hugian the pandemonium lord
305547 | Zig:24   | Killed Ogeradd the pandemonium lord
305547 | Zig:24   | Killed Unuagiol the pandemonium lord
305547 | Zig:24   | Noticed Eshor the pandemonium lord
305547 | Zig:24   | Noticed Ziklubb the pandemonium lord
305548 | Zig:24   | Killed Tituax the pandemonium lord
305548 | Zig:24   | Noticed Buoph the pandemonium lord
305548 | Zig:24   | Noticed Kehim the pandemonium lord
305548 | Abyss:5  | Cast into level 5 of the Abyss (Aquow)
305637 | Zig:24   | Escaped the Abyss
305637 | Zig:24   | Noticed Kaam the pandemonium lord
305637 | Zig:24   | Noticed Kiuvan the pandemonium lord
305637 | Zig:24   | Noticed Ceeppel the pandemonium lord
305637 | Zig:24   | Noticed Elluph the pandemonium lord
305637 | Zig:24   | Noticed Vanidag the pandemonium lord
305637 | Zig:24   | Noticed Veusm the pandemonium lord
305639 | Zig:24   | Noticed Ihated the pandemonium lord
305639 | Zig:24   | Killed by an exploding ball lightning (10 damage)
                  | ... set off by themself
305640 | Zig:24   | Killed Dilorhith the pandemonium lord
305640 | Zig:24   | Killed Boffad the pandemonium lord
305640 | Zig:24   | Killed Denig the pandemonium lord
305640 | Zig:24   | Killed Vitsile the pandemonium lord
305640 | Zig:24   | Killed Ynigimea the pandemonium lord
305640 | Zig:24   | Killed Ruojyife the pandemonium lord
305640 | Zig:24   | Killed Jauxon the pandemonium lord
305640 | Zig:24   | Noticed Vopresmy the pandemonium lord
305640 | Zig:24   | Noticed Peschoutt the pandemonium lord
305641 | Zig:24   | Noticed Sup Hado the pandemonium lord
305641 | Zig:24   | Killed Nelamiy the pandemonium lord
305641 | Zig:24   | Killed Zeibrosm the pandemonium lord
305641 | Zig:24   | Killed Hesa Puppol the pandemonium lord
305641 | Zig:24   | Noticed Ypiywuy the pandemonium lord
305642 | Zig:24   | Noticed Xorix the pandemonium lord
305642 | Zig:24   | Noticed Urihiyn the pandemonium lord
305642 | Zig:24   | Noticed Zoiddov the pandemonium lord
305642 | Zig:24   | Noticed Qeink the pandemonium lord
305642 | Zig:24   | Noticed Moxynuy the pandemonium lord
305642 | Zig:24   | Noticed Pyri the pandemonium lord
305642 | Zig:24   | Killed Axoor the pandemonium lord
305643 | Zig:24   | Noticed Meoble Miypn the pandemonium lord
305643 | Zig:24   | Killed Hihuutz the pandemonium lord
305643 | Zig:24   | Noticed Ashryd the pandemonium lord
305643 | Zig:24   | Noticed Qula the pandemonium lord
305644 | Zig:24   | Killed Kaam the pandemonium lord
305644 | Zig:24   | Noticed Xiukyg the pandemonium lord
305644 | Zig:24   | Noticed Nutzad the pandemonium lord
305645 | Zig:24   | Noticed Roaroiz the pandemonium lord
305645 | Zig:24   | Killed Kocuidam the pandemonium lord
305645 | Zig:24   | Killed Aquow the pandemonium lord
305645 | Zig:24   | Killed Hiergh the pandemonium lord
305645 | Zig:24   | Noticed Irorax the pandemonium lord
305645 | Zig:24   | Noticed Ukkongy the pandemonium lord
305646 | Zig:24   | Noticed Jahamm the pandemonium lord
305647 | Zig:24   | Noticed Qyass the pandemonium lord
305647 | Zig:24   | Killed Zuicuul the pandemonium lord
305647 | Zig:24   | Noticed Heiwaogh the pandemonium lord
305647 | Zig:24   | Noticed Goddusas the pandemonium lord
305648 | Zig:24   | Noticed Tewkueh the pandemonium lord
305648 | Zig:24   | Killed Biciq the pandemonium lord
305648 | Zig:24   | Noticed Juife Nui the pandemonium lord
305648 | Zig:24   | Killed Impeth the pandemonium lord
305648 | Zig:24   | Killed Ixaff the pandemonium lord
305648 | Zig:24   | Killed Lomerul the pandemonium lord
305648 | Zig:24   | Killed Kehim the pandemonium lord
305648 | Zig:24   | Killed Muleufot the pandemonium lord
305648 | Zig:24   | Killed Kametoag the pandemonium lord
305648 | Zig:24   | Noticed Bampov the pandemonium lord
305648 | Zig:24   | Noticed Simith the pandemonium lord
305649 | Zig:24   | Killed Vanidag the pandemonium lord
305649 | Zig:24   | Noticed Fyhex the pandemonium lord
305650 | Zig:24   | Killed Soptoiti the pandemonium lord
305650 | Zig:24   | Noticed Ekuor the pandemonium lord
305650 | Zig:24   | Noticed Ojinarch the pandemonium lord
305651 | Zig:24   | Killed Yfu Mim the pandemonium lord
305652 | Zig:24   | Noticed Peilew Jont the pandemonium lord
305652 | Zig:24   | Noticed Ustu the pandemonium lord
305653 | Zig:24   | Noticed Vameu the pandemonium lord
305653 | Zig:24   | Killed Wossoj the pandemonium lord
305653 | Zig:24   | Noticed Erokh the pandemonium lord
305653 | Zig:24   | Killed Xorix the pandemonium lord
305653 | Zig:24   | Killed Hugian the pandemonium lord
305653 | Zig:24   | Killed Peschoutt the pandemonium lord
305653 | Zig:24   | Killed Voimuh the pandemonium lord
305653 | Zig:24   | Killed Ziklubb the pandemonium lord
305653 | Zig:24   | Killed Qeodghek the pandemonium lord
305653 | Zig:24   | Killed Pastum the pandemonium lord
305653 | Zig:24   | Noticed Qek Anno the pandemonium lord
305654 | Zig:24   | Noticed Houzulyu the pandemonium lord
305654 | Zig:24   | Killed Cowkix Hio the pandemonium lord
305654 | Zig:24   | Killed Ceeppel the pandemonium lord
305655 | Zig:24   | Noticed Gurr the pandemonium lord
305655 | Zig:24   | Killed Xyxo the pandemonium lord
305655 | Zig:24   | Noticed Sipeapp the pandemonium lord
305655 | Zig:24   | Noticed Veek Nibb the pandemonium lord
305655 | Zig:24   | Noticed Wuarohan the pandemonium lord
305655 | Zig:24   | Noticed Saosecea the pandemonium lord
305656 | Zig:24   | Noticed Geuxo the pandemonium lord
305656 | Zig:24   | Killed Xiukyg the pandemonium lord
305656 | Zig:24   | Killed Ypiywuy the pandemonium lord
305656 | Zig:24   | Killed Agraqoch the pandemonium lord
305657 | Zig:24   | Killed Zoiddov the pandemonium lord
305657 | Zig:24   | Noticed Gaapnet the pandemonium lord
305657 | Zig:24   | Noticed Taruann the pandemonium lord
305657 | Zig:24   | Noticed Vuuxina the pandemonium lord
305657 | Zig:24   | Noticed Koduex the pandemonium lord
305657 | Zig:24   | Noticed Yrchisoas the pandemonium lord
305657 | Zig:24   | Noticed Bankogec the pandemonium lord
305658 | Zig:24   | Noticed Laezuphoitt the pandemonium lord
305658 | Zig:24   | Noticed Xitoez the pandemonium lord
305658 | Zig:24   | Killed Vopresmy the pandemonium lord
305658 | Zig:24   | Killed Ihated the pandemonium lord
305658 | Zig:24   | Noticed Fozim the pandemonium lord
305658 | Zig:24   | Noticed Wadill the pandemonium lord
305658 | Zig:24   | Noticed Aworon the pandemonium lord
305658 | Zig:24   | Noticed Syluit the pandemonium lord
305658 | Zig:24   | Noticed Orutef the pandemonium lord
305659 | Zig:24   | Killed Juife Nui the pandemonium lord
305659 | Zig:24   | Noticed Hutt the pandemonium lord
305659 | Zig:24   | Killed Ojinarch the pandemonium lord
305659 | Zig:24   | Killed Houzulyu the pandemonium lord
305659 | Zig:24   | Killed Nepsing the pandemonium lord
305659 | Zig:24   | Killed Buoph the pandemonium lord
305659 | Zig:24   | Killed Gurr the pandemonium lord
305660 | Zig:24   | Killed Pyri the pandemonium lord
305660 | Zig:24   | Killed Veek Nibb the pandemonium lord
305660 | Zig:24   | Killed Bankogec the pandemonium lord
305660 | Zig:24   | Killed Erokh the pandemonium lord
305660 | Zig:24   | Killed Sipeapp the pandemonium lord
305660 | Zig:24   | Killed Taruann the pandemonium lord
305660 | Zig:24   | Killed Peilew Jont the pandemonium lord
305660 | Zig:24   | Killed Eshor the pandemonium lord
305660 | Zig:24   | Killed Ustu the pandemonium lord
305660 | Zig:24   | Killed Qek Anno the pandemonium lord
305660 | Zig:24   | Killed Geuxo the pandemonium lord
305660 | Zig:24   | Killed Ashryd the pandemonium lord
305660 | Zig:24   | HP: 2/179 [Qyass the pandemonium lord (9)]
305661 | Zig:24   | Noticed Gawnias the pandemonium lord
305661 | Zig:24   | Noticed Besa the pandemonium lord
305661 | Zig:24   | Noticed Xag Ypiwk the pandemonium lord
305662 | Zig:24   | Killed by an exploding ball lightning (5 damage)
305662 | Zig:24   | Noticed Fuk Xou the pandemonium lord
305662 | Zig:24   | Killed Goddusas the pandemonium lord
305662 | Zig:24   | Noticed Xiost the pandemonium lord
305663 | Zig:24   | Noticed Zeatuot the pandemonium lord
305663 | Zig:24   | Killed Kiuvan the pandemonium lord
305663 | Zig:24   | Noticed Cezerpho the pandemonium lord
305664 | Zig:24   | Killed Elluph the pandemonium lord
305664 | Zig:24   | Noticed Tanwep the pandemonium lord
305664 | Zig:24   | Killed Simith the pandemonium lord
305664 | Zig:24   | Killed Vameu the pandemonium lord
305665 | Zig:24   | Killed Ukkongy the pandemonium lord
305665 | Zig:24   | Noticed Maela the pandemonium lord
305666 | Zig:24   | Noticed Rontines the pandemonium lord
305666 | Zig:24   | Noticed Rosu the pandemonium lord
305667 | Zig:24   | Killed Jahamm the pandemonium lord
305667 | Zig:24   | Killed Syluit the pandemonium lord
305667 | Zig:24   | Killed Besa the pandemonium lord
305667 | Zig:24   | Killed Irorax the pandemonium lord
305667 | Zig:24   | Killed Qula the pandemonium lord
305667 | Zig:24   | Noticed Qumpe the pandemonium lord
305668 | Zig:24   | Noticed Nawk the pandemonium lord
305668 | Zig:24   | Noticed Haob the pandemonium lord
305668 | Zig:24   | Noticed Wommaebe the pandemonium lord
305668 | Zig:24   | Noticed Enwo the pandemonium lord
305668 | Zig:24   | Noticed Qylekuta the pandemonium lord
305668 | Zig:24   | Noticed Itofruxin the pandemonium lord
305668 | Zig:24   | Noticed Todill the pandemonium lord
305668 | Zig:24   | Noticed Xuypheda the pandemonium lord
305668 | Zig:24   | Noticed Qiraway the pandemonium lord
305668 | Zig:24   | Noticed Leskeeru the pandemonium lord
305668 | Zig:24   | Noticed Ziwul the pandemonium lord
305668 | Zig:24   | Noticed Yrgham the pandemonium lord
305668 | Zig:24   | Noticed Goalicvu the pandemonium lord
305668 | Zig:24   | Noticed Kerelit the pandemonium lord
305668 | Zig:24   | Noticed Saedysmy the pandemonium lord
305668 | Zig:24   | Noticed Jallehig the pandemonium lord
305668 | Zig:24   | Noticed Sonet the pandemonium lord
305668 | Zig:24   | Noticed Keabby the pandemonium lord
305669 | Zig:24   | Noticed Xoecs the pandemonium lord
305669 | Zig:24   | Noticed Gesaurhoogg the pandemonium lord
305669 | Zig:24   | Noticed Juicw the pandemonium lord
305669 | Zig:24   | Killed Cezerpho the pandemonium lord
305669 | Zig:24   | Killed by divine providence
                  | ... invoked by a balrug
                  | (14 damage)
305670 | Zig:24   | Killed Jallehig the pandemonium lord
305670 | Zig:24   | Killed Moxynuy the pandemonium lord
305670 | Zig:24   | Noticed Qualut the pandemonium lord
305670 | Zig:24   | Killed Rosu the pandemonium lord
305671 | Zig:24   | Killed Saosecea the pandemonium lord
305671 | Zig:24   | Killed Tanwep the pandemonium lord
305671 | Zig:24   | Killed Nutzad the pandemonium lord
305671 | Zig:24   | Killed Wuarohan the pandemonium lord
305671 | Zig:24   | Killed Maela the pandemonium lord
305671 | Zig:24   | Killed Tewkueh the pandemonium lord
305671 | Zig:24   | Killed Qeink the pandemonium lord
305671 | Zig:24   | Killed Gaapnet the pandemonium lord
305671 | Zig:24   | Killed Sup Hado the pandemonium lord
305671 | Zig:24   | Killed Qumpe the pandemonium lord
305671 | Zig:24   | Killed Yrchisoas the pandemonium lord
305671 | Zig:24   | Killed Fyhex the pandemonium lord
305671 | Zig:24   | Noticed Qoeqatuj the pandemonium lord
305671 | Zig:24   | Killed Qyass the pandemonium lord
305671 | Zig:24   | Killed Fuk Xou the pandemonium lord
305671 | Zig:24   | Killed Bampov the pandemonium lord
305671 | Zig:24   | Killed Putzyeko the pandemonium lord
305671 | Zig:24   | Killed Qylekuta the pandemonium lord
305671 | Zig:24   | Killed Ekuor the pandemonium lord
305671 | Zig:24   | Killed Saedysmy the pandemonium lord
305671 | Zig:24   | Noticed Foti the pandemonium lord
305671 | Zig:24   | Noticed Faital the pandemonium lord
305672 | Zig:24   | Killed Gawnias the pandemonium lord
305672 | Zig:24   | Killed Goalicvu the pandemonium lord
305672 | Zig:24   | Killed Xiost the pandemonium lord
305672 | Zig:24   | Killed Wommaebe the pandemonium lord
305672 | Zig:24   | Killed Leskeeru the pandemonium lord
305672 | Zig:24   | Killed Vuuxina the pandemonium lord
305672 | Zig:24   | Noticed Qielinki the pandemonium lord
305672 | Zig:24   | Noticed Don Ikon the pandemonium lord
305672 | Zig:24   | Noticed Kirow the pandemonium lord
305672 | Zig:24   | Noticed Sibrol the pandemonium lord
305673 | Zig:24   | Noticed Juludomo the pandemonium lord
305673 | Zig:24   | Killed Urihiyn the pandemonium lord
305673 | Zig:24   | Killed Orutef the pandemonium lord
305673 | Zig:24   | Killed Xag Ypiwk the pandemonium lord
305673 | Zig:24   | Noticed Ytiott the pandemonium lord
305673 | Zig:24   | Noticed Surum the pandemonium lord
305674 | Zig:24   | Killed Nawk the pandemonium lord
305674 | Zig:24   | Slain by Qiraway the pandemonium lord (16 damage)
305675 | Zig:24   | Killed Ziwul the pandemonium lord
305677 | Zig:24   | Killed Fozim the pandemonium lord
305678 | Zig:24   | Noticed Hecidach the pandemonium lord
305678 | Zig:24   | Killed Haob the pandemonium lord
305678 | Zig:24   | Noticed Bavyureq the pandemonium lord
305678 | Zig:24   | Noticed Mipychif the pandemonium lord
305678 | Zig:24   | Noticed Semnihife the pandemonium lord
305678 | Zig:24   | Noticed Wosom the pandemonium lord
305678 | Zig:24   | Noticed Ludoesod the pandemonium lord
305678 | Zig:24   | Noticed Ynkiday the pandemonium lord
305683 | Zig:24   | Noticed Pubeishra the pandemonium lord
305683 | Zig:24   | Killed Wadill the pandemonium lord
305683 | Zig:24   | HP: 8/179 [??? (1)]
305684 | Zig:24   | Killed Heiwaogh the pandemonium lord
305685 | Zig:24   | Mangled by Meoble Miypn the pandemonium lord (14 damage)
305686 | Zig:24   | Noticed Redusa the pandemonium lord
305686 | Zig:24   | Noticed Cacs the pandemonium lord
305686 | Zig:24   | Killed Meoble Miypn the pandemonium lord
305689 | Zig:24   | Killed Cacs the pandemonium lord
305689 | Zig:24   | Killed Hecidach the pandemonium lord
305691 | Zig:24   | Killed Qiraway the pandemonium lord
305691 | Zig:24   | Killed Ytiott the pandemonium lord
305691 | Abyss:5  | Cast into level 5 of the Abyss (Todill)
305724 | Abyss:5  | Found a hazy altar of Hepliaklqana.
305730 | Abyss:5  | Gained mutation: Your body sometimes deteriorates upon
                  | taking damage. [a neqoxec]
305790 | Abyss:5  | Gained mutation: You sometimes lose your temper in combat.
                  | [a neqoxec]
305800 | Zig:24   | Escaped the Abyss
305800 | Zig:24   | Noticed Jisud the pandemonium lord
305801 | Zig:24   | Noticed Mookh the pandemonium lord
305802 | Zig:24   | Killed Itofruxin the pandemonium lord
305802 | Zig:24   | Noticed Wirhi the pandemonium lord
305803 | Zig:24   | Killed Sonet the pandemonium lord
305803 | Zig:24   | Killed Kirow the pandemonium lord
305803 | Zig:24   | Killed Bavyureq the pandemonium lord
305804 | Zig:24   | Killed Laezuphoitt the pandemonium lord
305804 | Zig:24   | Killed Xuypheda the pandemonium lord
305805 | Zig:24   | Killed Zeatuot the pandemonium lord
305805 | Zig:24   | Killed Keabby the pandemonium lord
305805 | Zig:24   | HP: 4/179 [Pubeishra the pandemonium lord (6)]
305806 | Zig:24   | Annihilated by Pubeishra the pandemonium lord (35 damage)
305806 | Zig:24   | Killed Gesaurhoogg the pandemonium lord
305806 | Zig:24   | Killed Sibrol the pandemonium lord
305806 | Zig:24   | Killed Juludomo the pandemonium lord
305806 | Zig:24   | Killed Ludoesod the pandemonium lord
305806 | Zig:24   | Killed Todill the pandemonium lord
305808 | Zig:24   | Noticed Nisaliza the pandemonium lord
305810 | Zig:24   | Killed Wosom the pandemonium lord
305810 | Zig:24   | Killed Faital the pandemonium lord
305810 | Zig:24   | Noticed Poucyzag the pandemonium lord
305811 | Zig:24   | Killed Semnihife the pandemonium lord
305812 | Zig:24   | Killed Koduex the pandemonium lord
305813 | Zig:24   | Killed Enwo the pandemonium lord
305813 | Zig:24   | Killed Hutt the pandemonium lord
305813 | Zig:24   | Killed Jisud the pandemonium lord
305813 | Zig:24   | Killed Ynkiday the pandemonium lord
305813 | Zig:24   | Killed Redusa the pandemonium lord
305813 | Zig:24   | Killed Yrgham the pandemonium lord
305813 | Zig:24   | Killed Veusm the pandemonium lord
305814 | Zig:24   | Killed Qielinki the pandemonium lord
305815 | Zig:24   | Killed Mipychif the pandemonium lord
305816 | Zig:24   | Killed Juicw the pandemonium lord
305817 | Zig:24   | Killed Don Ikon the pandemonium lord
305817 | Zig:24   | Killed Pubeishra the pandemonium lord
305818 | Zig:24   | Killed Poucyzag the pandemonium lord
305818 | Zig:24   | Killed Xoecs the pandemonium lord
305818 | Zig:24   | Paralysed by a floating eye for 3 turns
305822 | Zig:24   | Killed Qoeqatuj the pandemonium lord
305823 | Zig:24   | Killed Nisaliza the pandemonium lord
305824 | Zig:24   | Killed Wirhi the pandemonium lord
305825 | Zig:24   | Killed Rontines the pandemonium lord
305825 | Zig:24   | Killed Surum the pandemonium lord
305825 | Zig:24   | Killed Mookh the pandemonium lord
305828 | Zig:24   | Killed Foti the pandemonium lord
305829 | Zig:24   | Killed Qualut the pandemonium lord
305830 | Zig:24   | Killed Roaroiz the pandemonium lord
305831 | Zig:24   | Killed Kerelit the pandemonium lord
305832 | Zig:24   | Killed Xitoez the pandemonium lord
305832 | Zig:24   | Killed Aworon the pandemonium lord
306233 | Zig:24   | Lost mutation: You are frail. (-10% HP) [potion of
                  | mutation]
306233 | Zig:24   | Lost mutation: You are strong-willed. (Will+) [potion of
                  | mutation]
306233 | Zig:24   | Lost mutation: Your body sometimes deteriorates upon taking
                  | damage. [potion of mutation]
306233 | Zig:24   | Gained mutation: Your mind is acute. (Int +4, Str/Dex -1)
                  | [potion of mutation]
306233 | Zig:24   | Gained mutation: You have an increased reservoir of magic.
                  | (+10% MP) [potion of mutation]
306280 | Zig:24   | Identified the +6 broad axe of Putrescence {heavy, rN+}
306282 | Zig:24   | Identified the staff of death "Bojol" {rC+++ rN+ rCorr MP-9
                  | Int+3}
306283 | Zig:24   | Identified the +4 hand axe of the Tundras {holy, Fly Will-
                  | Str-3 SInv}
306304 | Zig:24   | Identified the staff of earth "Wetaufia" {Contam +Blink rC+
                  | rCorr}
306323 | Zig:24   | Identified the +3 rapier of Kismet {speed, Fragile rElec
                  | rF+ rN+}
306341 | Zig:24   | Identified the amulet "Gukhihuu" {RegenMP Harm rF+ Int+3}
306382 | Zig:24   | Identified the +5 plate armour of Autumn {Harm Fly}
306402 | Zig:24   | Identified the +8 trident "Niesm" {distort, rPois}
306416 | Zig:24   | Identified the amulet of the Blind Eye {Acrobat Drain
                  | Regen+ Int+5 Dex+2}
306429 | Zig:24   | Identified the +2 scale mail of Morality {Str+3}
306436 | Zig:25   | Entered Level 25 of a ziggurat
306803 | Zig:25   | Identified the +11 quarterstaff "Beetesoll" {holy, Drain
                  | Will+++}
306821 | Zig:25   | Identified the staff of cold "Wore" {rF+ rC+ Dex+3}
306838 | Zig:25   | Identified the ring "Ezun" {Str+6 SInv}
306842 | Zig:25   | Identified the +7 long sword of Tartarus {freeze, rN+}
306855 | Zig:25   | Identified the +6 long sword of the Genius {antimagic,
                  | rElec}
306863 | Zig:25   | Identified the staff of conjuration "Quf Pof" {MP+9 SInv}
306885 | Zig:25   | Identified the ring of Oqics {*Corrode rF+ rC+ Int+6
                  | Stlth+}
306933 | Zig:25   | Identified the +0 quarterstaff of Butchery {heavy, Will+}
306945 | Zig:25   | Identified the staff of death "Ymni" {Fly rN+ Will- rCorr
                  | Int+4}
306961 | Zig:25   | Identified the +1 hand axe of Animal Spirits {spect, Dex+2}
306965 | Zig:26   | Entered Level 26 of a ziggurat
306967 | Zig:26   | Noticed a dread lich
306970 | Zig:26   | HP: 2/199 [balrug/divine providence (11)]
306970 | Zig:26   | Slain by a balrug
                  | ... wielding a +0 demon whip
                  | (3 damage)
306975 | Zig:26   | Noticed an ancient lich
306977 | Zig:26   | HP: 1/199 [balrug/divine providence (14)]
306977 | Zig:26   | Killed by divine providence
                  | ... invoked by a balrug
                  | (12 damage)
306982 | Zig:26   | HP: 6/199 [balrug/divine providence (14)]
306982 | Zig:26   | Annihilated by a searing wretch (35 damage)
306987 | Zig:26   | Killed a dread lich
306987 | Zig:26   | Killed an ancient lich
306989 | Zig:26   | Noticed an ancient lich
306990 | Zig:26   | HP: 2/199 [balrug/divine providence (8)]
306990 | Zig:26   | Killed from afar by a hellion (36 damage)
                  | ... with damnation
306995 | Zig:26   | HP: 2/199 [balrug/divine providence (15)]
306995 | Zig:26   | Killed by divine providence
                  | ... invoked by a balrug
                  | (17 damage)
306998 | Zig:26   | Killed by divine providence
                  | ... invoked by a balrug
                  | (9 damage)
306999 | Zig:26   | Killed an ancient lich
307000 | Zig:26   | Killed from afar by a balrug (60 damage)
                  | ... with a bolt of fire
307002 | Zig:26   | Noticed a dread lich
307004 | Zig:26   | Killed by divine providence
                  | ... invoked by a balrug
                  | (15 damage)
307007 | Zig:26   | Killed by divine providence
                  | ... invoked by a balrug
                  | (13 damage)
307010 | Zig:26   | HP: 2/199 [hell knight/bolt of fire (37)]
307010 | Zig:26   | Killed from afar by a balrug (42 damage)
                  | ... with a bolt of fire
307014 | Zig:26   | Killed by divine providence
                  | ... invoked by a balrug
                  | (9 damage)
307016 | Zig:26   | HP: 8/199 [balrug/+0 demon whip (34)]
307016 | Zig:26   | Killed from afar by a hellephant (84 damage)
                  | ... with a blast of flame
307021 | Zig:26   | HP: 4/199 [balrug/divine providence (13)]
307024 | Zig:26   | Killed by divine providence
                  | ... invoked by a balrug
                  | (12 damage)
307027 | Zig:26   | Mangled by a balrug
                  | ... wielding a +5 demon whip
                  | (36 damage)
307028 | Zig:26   | Killed a dread lich
307033 | Zig:26   | HP: 7/199 [balrug/divine providence (12)]
307034 | Zig:26   | Killed by divine providence
                  | ... invoked by a balrug
                  | (17 damage)
307037 | Zig:26   | Killed from afar by a hellephant (130 damage)
                  | ... with a blast of flame
307048 | Zig:26   | Killed from afar by a hellephant (75 damage)
                  | ... with a blast of flame
307056 | Zig:26   | HP: 2/199 [balrug/divine providence (12)]
307057 | Zig:26   | Incinerated by a balrug (12 damage)
                  | ... with a sticky flame
307064 | Zig:26   | Demolished by a searing wretch (52 damage)
307070 | Zig:26   | Annihilated by a searing wretch (48 damage)
307078 | Zig:26   | HP: 7/199 [balrug/bolt of fire (24)]
307079 | Zig:26   | HP: 3/199 [burnt (4)]
307079 | Zig:26   | Killed by divine providence
                  | ... invoked by a balrug
                  | (12 damage)
307084 | Zig:26   | HP: 9/199 [??? (1)]
307085 | Zig:26   | Killed from afar by a Brimstone Fiend (38 damage)
                  | ... with damnation
307092 | Zig:26   | Killed from afar by a hellephant (41 damage)
                  | ... with a blast of flame
307096 | Zig:26   | HP: 9/199 [hellephant/blast of flame (19)]
307097 | Zig:26   | Killed from afar by a hellephant (15 damage)
                  | ... with a blast of flame
307104 | Zig:26   | Killed by divine providence
                  | ... invoked by a balrug
                  | (12 damage)
307113 | Zig:26   | Killed from afar by a hellephant (78 damage)
                  | ... with a blast of flame
307133 | Zig:26   | HP: 7/199 [hellephant (5)]
307315 | Zig:26   | Identified the +10 falchion of Infinite Pain {elec, rPois}
307341 | Zig:26   | Identified the staff of fire "Muijerew" {rElec rF+ Str+2
                  | Stlth+}
307342 | Zig:26   | Identified the +0 leather armour "Cuediadeh" {rElec}
307343 | Zig:26   | Identified the +6 whip of Spontaneous Combustion {flame,
                  | Fragile rPois rC++ Stlth+}
307358 | Zig:26   | Identified the staff of poison "Cimpena" {rPois rCorr Str+7
                  | Dex+4}
307360 | Zig:26   | Identified the staff of fire "Nuveipia" {Fly rF+ rC+}
307361 | Zig:26   | Identified the +0 scale mail "Domeyd" {rF- Str-3 Dex+9
                  | Stlth+}
307375 | Zig:26   | Identified the ring "Weenuiw" {Ice rPois Will+++ Str-3
                  | Int-2}
307386 | Zig:26   | Identified the +0 ring mail of the Ecumenical Temple {*Slow
                  | Regen+ Dex+3}
307442 | Zig:26   | Identified the +5 halberd "Poasyco" {speed, rC- rCorr SInv}
307444 | Zig:26   | Identified the +3 demon blade of Hacking and Slashing
                  | {vamp, Fly}
307489 | Zig:26   | Identified the +1 leather armour "Ecuq" {Str+3}
307496 | Zig:26   | Identified the staff of air "Wismin" {*Corrode rElec rN+
                  | Will+++ Dex-3}
307499 | Zig:27   | Entered Level 27 of a ziggurat
307499 | Zig:27   | Noticed a juggernaut
307499 | Zig:27   | Noticed a juggernaut
307499 | Zig:27   | Noticed a juggernaut
307499 | Zig:27   | Noticed a juggernaut
307499 | Zig:27   | Noticed a juggernaut
307499 | Zig:27   | Noticed a juggernaut
307499 | Zig:27   | Noticed a juggernaut
307499 | Zig:27   | Noticed a juggernaut
307499 | Zig:27   | Noticed a juggernaut
307499 | Zig:27   | Noticed a juggernaut
307500 | Zig:27   | Noticed a juggernaut
307500 | Zig:27   | Noticed a juggernaut
307501 | Zig:27   | Noticed a juggernaut
307502 | Zig:27   | Killed a juggernaut
307502 | Zig:27   | Noticed a juggernaut
307502 | Zig:27   | Noticed a juggernaut
307505 | Zig:27   | Noticed a juggernaut
307506 | Zig:27   | Killed a juggernaut
307506 | Zig:27   | Noticed a juggernaut
307508 | Zig:27   | Noticed a juggernaut
307510 | Zig:27   | Noticed a juggernaut
307511 | Zig:27   | Noticed a juggernaut
307511 | Zig:27   | Noticed a juggernaut
307512 | Zig:27   | Noticed a juggernaut
307513 | Zig:27   | Killed a juggernaut
307513 | Zig:27   | Noticed a juggernaut
307513 | Zig:27   | Noticed a juggernaut
307513 | Zig:27   | Noticed a juggernaut
307513 | Zig:27   | Noticed a juggernaut
307514 | Zig:27   | Noticed a juggernaut
307514 | Zig:27   | Noticed a juggernaut
307515 | Zig:27   | Killed a juggernaut
307515 | Zig:27   | Noticed a juggernaut
307516 | Zig:27   | Noticed a juggernaut
307516 | Zig:27   | Noticed a juggernaut
307517 | Zig:27   | Killed a juggernaut
307517 | Zig:27   | Noticed a juggernaut
307518 | Zig:27   | Killed a juggernaut
307518 | Zig:27   | Demolished by a juggernaut (51 damage)
307519 | Zig:27   | Killed a juggernaut
307521 | Zig:27   | Killed a juggernaut
307521 | Zig:27   | Killed a juggernaut
307522 | Zig:27   | Killed a juggernaut
307522 | Zig:27   | Killed a juggernaut
307522 | Zig:27   | Killed a juggernaut
307523 | Zig:27   | Noticed a juggernaut
307524 | Zig:27   | Noticed a juggernaut
307524 | Zig:27   | Noticed a juggernaut
307525 | Zig:27   | Killed a juggernaut
307525 | Zig:27   | Killed a juggernaut
307525 | Zig:27   | Killed a juggernaut
307526 | Zig:27   | Killed a juggernaut
307527 | Zig:27   | Killed a juggernaut
307527 | Zig:27   | Noticed a juggernaut
307527 | Zig:27   | Noticed a juggernaut
307528 | Zig:27   | Noticed a juggernaut
307528 | Zig:27   | Killed a juggernaut
307530 | Zig:27   | Noticed a juggernaut
307530 | Zig:27   | Killed a juggernaut
307531 | Zig:27   | Noticed a juggernaut
307532 | Zig:27   | Killed a juggernaut
307532 | Zig:27   | Killed a juggernaut
307532 | Zig:27   | Killed a juggernaut
307532 | Zig:27   | Noticed a juggernaut
307532 | Zig:27   | Noticed a juggernaut
307533 | Zig:27   | Killed a juggernaut
307533 | Zig:27   | Noticed a juggernaut
307533 | Zig:27   | Noticed a juggernaut
307534 | Zig:27   | Noticed a juggernaut
307534 | Zig:27   | Noticed a juggernaut
307535 | Zig:27   | Noticed a juggernaut
307535 | Zig:27   | Noticed a juggernaut
307535 | Zig:27   | Noticed a juggernaut
307535 | Zig:27   | Noticed a juggernaut
307536 | Zig:27   | Killed a juggernaut
307536 | Zig:27   | Noticed a juggernaut
307536 | Zig:27   | Noticed a juggernaut
307538 | Zig:27   | Killed a juggernaut
307538 | Zig:27   | Noticed a juggernaut
307539 | Zig:27   | Killed a juggernaut
307539 | Zig:27   | Killed a juggernaut
307539 | Zig:27   | Slain by a juggernaut (16 damage)
307539 | Zig:27   | Killed a juggernaut
307540 | Zig:27   | Noticed a juggernaut
307540 | Zig:27   | Killed a juggernaut
307542 | Zig:27   | Noticed a juggernaut
307543 | Zig:27   | Killed a juggernaut
307545 | Zig:27   | Noticed a juggernaut
307545 | Zig:27   | Killed a juggernaut
307546 | Zig:27   | Killed a juggernaut
307548 | Zig:27   | Killed a juggernaut
307549 | Zig:27   | Killed a juggernaut
307553 | Zig:27   | Noticed a juggernaut
307553 | Zig:27   | Killed a juggernaut
307556 | Zig:27   | Killed a juggernaut
307557 | Zig:27   | Noticed a juggernaut
307558 | Zig:27   | Killed a juggernaut
307558 | Zig:27   | Noticed a juggernaut
307559 | Zig:27   | Noticed a juggernaut
307559 | Zig:27   | Killed a juggernaut
307561 | Zig:27   | Killed a juggernaut
307561 | Zig:27   | HP: 1/199 [orc high priest/divine providence (16)]
307564 | Zig:27   | Killed a juggernaut
307564 | Zig:27   | Killed a juggernaut
307564 | Zig:27   | Demolished by an orc warlord
                  | ... wielding a +0 halberd of protection
                  | (23 damage)
307565 | Zig:27   | Noticed a juggernaut
307567 | Zig:27   | Killed a juggernaut
307568 | Zig:27   | Killed a juggernaut
307568 | Zig:27   | Killed a juggernaut
307569 | Zig:27   | Noticed a juggernaut
307571 | Zig:27   | Noticed a juggernaut
307573 | Zig:27   | Killed a juggernaut
307573 | Zig:27   | Killed a juggernaut
307573 | Zig:27   | Killed a juggernaut
307575 | Zig:27   | Killed a juggernaut
307576 | Zig:27   | Killed a juggernaut
307577 | Zig:27   | Killed a juggernaut
307580 | Zig:27   | Killed a juggernaut
307581 | Zig:27   | HP: 9/199 [orc high priest/divine providence (7)]
307581 | Zig:27   | HP: 1/199 [juggernaut (8)]
307583 | Zig:27   | Annihilated by a juggernaut (31 damage)
307585 | Zig:27   | Killed a juggernaut
307586 | Zig:27   | Killed a juggernaut
307597 | Zig:27   | Killed a juggernaut
307599 | Zig:27   | Killed a juggernaut
307604 | Zig:27   | Killed a juggernaut
307608 | Zig:27   | Killed a juggernaut
307609 | Zig:27   | Killed a juggernaut
307609 | Zig:27   | HP: 7/199 [orc high priest/divine providence (15)]
307615 | Zig:27   | Killed a juggernaut
307616 | Zig:27   | HP: 3/199 [orc high priest/divine providence (7)]
307616 | Zig:27   | Killed by divine providence
                  | ... invoked by an orc high priest
                  | (8 damage)
307623 | Zig:27   | Killed a juggernaut
307625 | Zig:27   | Killed a juggernaut
307628 | Zig:27   | Killed a juggernaut
307630 | Zig:27   | Noticed a juggernaut
307633 | Zig:27   | Killed a juggernaut
307642 | Zig:27   | Killed by divine providence
                  | ... invoked by an orc high priest
                  | (13 damage)
307648 | Zig:27   | Killed a juggernaut
307656 | Zig:27   | HP: 2/199 [chaos spawn[an orc high priest] (10)]
307662 | Zig:27   | Killed by divine providence
                  | ... invoked by an orc high priest
                  | (11 damage)
307700 | Zig:27   | HP: 9/194 [orc high priest/divine providence (15)]
307701 | Zig:27   | Killed by divine providence
                  | ... invoked by an orc high priest
                  | (10 damage)
307720 | Zig:27   | Demolished by an iron troll (24 damage)
308047 | Zig:27   | Identified the +0 shortbow of the Bear {speed, rN+ rCorr
                  | Int+3 Dex+3}
308074 | Zig:27   | Identified the staff of fire "Afickius" {+Blink rF+ Str+3}
308103 | Zig:27   | Identified the ring "Zocerphio" {Ice Str+2}
308105 | Zig:27   | Identified the ring "Loribix" {rPois rF- Will+ AC+4 Int+2}
308113 | Zig:27   | Identified the +3 battleaxe of Dup Jauli {elec, Will+ Str+2
                  | Dex+2}
308118 | Zig:27   | Identified the staff of death "Lacayxt" {rPois rN+ Stlth+}
308169 | Depths:4 | Acquired 966 gold pieces
308175 | Depths:4 | Upgraded the game from 0.31-a0-1-g4198be8af4 to
                  | 0.31-a0-4-gefa6de2278
308178 | Zig:1    | Entered Level 1 of a ziggurat
308178 | Zig:1    | Noticed a dread lich
308178 | Zig:1    | Noticed an ancient lich
308178 | Zig:1    | Noticed a dread lich
308186 | Zig:1    | Killed an ancient lich
308188 | Zig:1    | Killed a dread lich
308192 | Zig:1    | Killed a dread lich
308222 | Zig:2    | Entered Level 2 of a ziggurat
308227 | Zig:2    | HP: 8/199 [balrug/sticky flame (3)]
308228 | Zig:2    | HP: 1/199 [balrug/divine providence (8)]
308229 | Zig:2    | Killed by divine providence
                  | ... invoked by a balrug
                  | (8 damage)
308234 | Zig:2    | HP: 6/199 [searing wretch (6)]
308235 | Zig:2    | Killed by divine providence
                  | ... invoked by a balrug
                  | (11 damage)
308242 | Zig:2    | HP: 5/199 [searing wretch (8)]
308243 | Zig:2    | Killed by divine providence
                  | ... invoked by a balrug
                  | (11 damage)
308252 | Zig:2    | HP: 4/199 [hellephant/blast of flame (7)]
308252 | Zig:2    | Slain by a searing wretch (5 damage)
308258 | Zig:2    | HP: 2/199 [searing wretch (11)]
308259 | Zig:2    | Engulfed by a cloud of flame (16 damage)
308628 | Zig:3    | Entered Level 3 of a ziggurat
308628 | Zig:3    | Noticed a juggernaut
308628 | Zig:3    | Noticed a juggernaut
308628 | Zig:3    | Noticed a juggernaut
308629 | Zig:3    | Noticed a juggernaut
308633 | Zig:3    | Noticed a juggernaut
308633 | Zig:3    | Noticed a juggernaut
308636 | Zig:3    | Killed a juggernaut
308636 | Zig:3    | Killed a juggernaut
308638 | Zig:3    | Killed a juggernaut
308638 | Zig:3    | Noticed a juggernaut
308644 | Zig:3    | Killed a juggernaut
308644 | Zig:3    | Killed a juggernaut
308645 | Zig:3    | Killed a juggernaut
308649 | Zig:3    | Killed a juggernaut
308659 | Zig:3    | HP: 1/199 [orc warlord/+0 glaive (15)]
308659 | Zig:3    | Slain by an orc warlord
                  | ... wielding a +2 glaive of venom
                  | (4 damage)
308674 | Zig:3    | Identified the +0 robe of Incorporation {Str+2}
308698 | Zig:4    | Entered Level 4 of a ziggurat
308740 | Zig:4    | Mangled by a Hell Sentinel (19 damage)
308756 | Zig:4    | Identified the +0 leather armour of the Apothecary {rCorr
                  | Dex+6}
308858 | Zig:4    | Identified the +1 scale mail "Fidie" {Slay+2}
308882 | Zig:4    | Identified the +5 chain mail of Greater Demons {Rampage
                  | Str+3 Int+2}
308895 | Zig:5    | Entered Level 5 of a ziggurat
308895 | Zig:5    | Noticed a juggernaut
308895 | Zig:5    | Noticed a juggernaut
308895 | Zig:5    | Noticed a juggernaut
308896 | Zig:5    | Noticed a juggernaut
308897 | Zig:5    | Noticed a juggernaut
308897 | Zig:5    | Killed a juggernaut
308898 | Zig:5    | Noticed a juggernaut
308900 | Zig:5    | Noticed a juggernaut
308900 | Zig:5    | Killed a juggernaut
308901 | Zig:5    | Killed a juggernaut
308906 | Zig:5    | Killed a juggernaut
308912 | Zig:5    | Killed a juggernaut
308917 | Zig:5    | Killed a juggernaut
308918 | Zig:5    | Killed a juggernaut
309192 | Zig:5    | Identified the staff of poison "Curic" {rPois Str+2 Stlth+}
309209 | Zig:5    | Identified the +4 battleaxe of Resumed Hostilities {holy,
                  | rF+ rN+ MP-9}
309230 | Zig:6    | Entered Level 6 of a ziggurat
309243 | Zig:6    | HP: 6/199 [Tzitzimitl (9)]
309243 | Zig:6    | Noticed Gat Xir the pandemonium lord
309244 | Zig:6    | Mangled by an Ice Fiend (20 damage)
309249 | Zig:6    | Mangled by a demonspawn black sun
                  | ... wielding a +0 glaive
                  | (32 damage)
309259 | Zig:6    | Slain by Gat Xir the pandemonium lord (17 damage)
309264 | Zig:6    | Killed Gat Xir the pandemonium lord
309266 | Zig:6    | HP: 7/199 [something (10)]
309266 | Zig:6    | Demolished by a Hell Sentinel (26 damage)
309284 | Zig:6    | Lost mutation: You have an increased reservoir of magic.
                  | (+10% MP) [a neqoxec]
309291 | Zig:6    | Gained mutation: Your body sometimes deteriorates upon
                  | taking damage. [a neqoxec]
309628 | Zig:7    | Entered Level 7 of a ziggurat
309628 | Zig:7    | Noticed a dread lich
309628 | Zig:7    | Noticed an ancient lich
309628 | Zig:7    | Noticed an ancient lich
309628 | Zig:7    | Noticed an ancient lich
309628 | Zig:7    | Noticed a dread lich
309628 | Zig:7    | Noticed an ancient lich
309629 | Zig:7    | Killed an ancient lich
309629 | Zig:7    | Noticed a dread lich
309632 | Zig:7    | Noticed a dread lich
309633 | Zig:7    | Noticed an ancient lich
309633 | Zig:7    | Noticed a dread lich
309635 | Zig:7    | Killed a dread lich
309635 | Zig:7    | Killed an ancient lich
309636 | Zig:7    | Killed an ancient lich
309636 | Zig:7    | Noticed a dread lich
309637 | Zig:7    | Noticed a dread lich
309639 | Zig:7    | Noticed a dread lich
309639 | Zig:7    | Noticed a dread lich
309646 | Zig:7    | Killed a dread lich
309649 | Zig:7    | Killed a dread lich
309655 | Zig:7    | Killed a dread lich
309655 | Zig:7    | Killed a dread lich
309656 | Zig:7    | Killed an ancient lich
309658 | Zig:7    | HP: 1/199 [Ice Fiend/bolt of cold[a dread lich] (16)]
309659 | Zig:7    | Killed a dread lich
309660 | Zig:7    | Killed an ancient lich
309660 | Zig:7    | Killed from afar by a lich (18 damage)
                  | ... with a bolt of cold
309663 | Zig:7    | Killed a dread lich
309663 | Zig:7    | Killed a dread lich
309666 | Zig:7    | Killed a dread lich
309929 | Zig:7    | Identified the staff of conjuration "Huufubb" {rElec rN+
                  | rCorr Stlth-}
309933 | Zig:7    | Identified the +4 spear "Kuigam" {flame, rF+ rN+}
309934 | Zig:7    | Identified the +8 eveningstar "Fitivvov" {elec, *Noise
                  | Dex+5}
309947 | Zig:7    | Identified the staff of air "Kagiubin" {*Corrode Fly rElec
                  | rN+ Str+5}
309948 | Zig:7    | Identified the staff of cold "Ninousch" {rC+ SInv}
309969 | Zig:8    | Entered Level 8 of a ziggurat
309981 | Zig:8    | Killed from afar by a white draconian knight (29 damage)
                  | ... with a shard of ice
310296 | Zig:8    | Identified the +1 robe of an ice cave {rElec}
310329 | Zig:8    | Identified the +2 ring mail "Ximowoq" {rC- rN+ Regen+ Int+2
                  | SInv}
310331 | Zig:8    | Identified the amulet of Voxisch {Regen+ Stlth+}
310343 | Zig:9    | Entered Level 9 of a ziggurat
310350 | Zig:9    | HP: 4/199 [Ice Fiend/bolt of cold (10)]
310350 | Zig:9    | Killed from afar by a frost giant (4 damage)
                  | ... with a bolt of cold
310433 | Zig:9    | Acquired 736 gold pieces
310445 | Zig:9    | Identified the +12 shortbow of Buemn {freeze, rF+ rC+
                  | Str+4}
310446 | Zig:9    | Identified the +4 rapier of Poput {freeze, rPois Int+5
                  | Dex-5}
310449 | Zig:9    | Identified the ring of Ifibeick {Ice rPois Dex+6}
310468 | Zig:10   | Entered Level 10 of a ziggurat
310468 | Zig:10   | Identified the +4 tower shield of Nihin {rF- rN+ Will+}
310468 | Zig:10   | Identified the +6 tower shield of the Eternal Void {Dex+5}
310491 | Zig:10   | HP: 3/199 [pearl dragon (12)]
310491 | Zig:10   | Slain by a pearl dragon (3 damage)
310505 | Zig:10   | HP: 2/199 [daeva/divine providence (12)]
310505 | Zig:10   | Killed by divine providence
                  | ... invoked by a daeva
                  | (12 damage)
310513 | Zig:10   | Identified the +3 tower shield of Gallantry {rPois}
310516 | Zig:10   | HP: 5/199 [daeva/divine providence (11)]
310517 | Zig:10   | HP: 1/199 [daeva/+2 eudemon blade of holy wrath (4)]
310517 | Zig:10   | Mangled by a daeva
                  | ... wielding a +2 eudemon blade of holy wrath
                  | (12 damage)
310532 | Zig:10   | HP: 5/199 [daeva/divine providence (17)]
310533 | Zig:10   | Demolished by a daeva
                  | ... wielding a +4 scimitar of holy wrath
                  | (21 damage)
310741 | Zig:10   | Identified the +3 buckler of Turalo {rC+ Dex+3}
310748 | Zig:10   | Identified the +2 dagger of Light {flame, Drain rPois rF+
                  | Str+2}
310756 | Zig:10   | Identified the +0 helmet of the Comet {+Inv}
310762 | Zig:10   | Identified the amulet of Kouhir {+Inv Will- Regen+ Dex+4}
310801 | Zig:11   | Entered Level 11 of a ziggurat
310836 | Zig:11   | Paralysed by a floating eye for 4 turns
310840 | Zig:11   | HP: 8/199 [acid blob (10)]
310841 | Zig:11   | HP: 2/199 [acid (2)]
310843 | Zig:11   | Killed from afar by an acid blob (5 damage)
                  | ... with a splash of acid
310846 | Zig:11   | Paralysed by a floating eye for 4 turns
310848 | Zig:11   | Gained mutation: Your spells are a little easier to cast,
                  | but a little less powerful. [a shining eye]
310850 | Zig:11   | HP: 5/199 [acid blob (22)]
310850 | Zig:11   | HP: 1/199 [acid (4)]
310851 | Zig:11   | Killed by arc of chain lightning (4 damage)
310866 | Zig:11   | HP: 5/199 [cloud of thunder (7)]
310866 | Zig:11   | Killed from afar by an acid blob (16 damage)
                  | ... with a splash of acid
311381 | Zig:11   | Identified the +13 crystal plate armour of the Turtledove
                  | {Rampage rN+ Str-5 Dex+5}
311412 | Zig:11   | Identified the +6 quarterstaff of the Nexus {freeze, Fly
                  | rN+++ Will- MP-9}
311424 | Zig:11   | Identified the +1 broad axe of Calculation {venom, Str+2
                  | SInv}
311444 | Zig:12   | Entered Level 12 of a ziggurat
311444 | Zig:12   | Noticed Suram the pandemonium lord
311444 | Zig:12   | Noticed Mypsullodif the pandemonium lord
311444 | Zig:12   | Noticed Hics the pandemonium lord
311444 | Zig:12   | Noticed Zuntom the pandemonium lord
311444 | Zig:12   | Noticed Efecagaony the pandemonium lord
311444 | Zig:12   | Noticed Musseaxupp the pandemonium lord
311444 | Zig:12   | Noticed Awad the pandemonium lord
311444 | Zig:12   | Noticed Ilojynipn the pandemonium lord
311444 | Zig:12   | Noticed Puorux the pandemonium lord
311444 | Zig:12   | Noticed Xapn the pandemonium lord
311444 | Zig:12   | Noticed Vedih the pandemonium lord
311444 | Zig:12   | Noticed Tocoiw the pandemonium lord
311444 | Zig:12   | Noticed Laurops the pandemonium lord
311444 | Zig:12   | Noticed Buhych the pandemonium lord
311444 | Zig:12   | Noticed Xivir the pandemonium lord
311444 | Zig:12   | Noticed Veziuv the pandemonium lord
311444 | Zig:12   | Noticed Vulony the pandemonium lord
311444 | Zig:12   | Noticed Tahu the pandemonium lord
311444 | Zig:12   | Noticed Ciagybbu the pandemonium lord
311444 | Zig:12   | Noticed Bibaskao the pandemonium lord
311444 | Zig:12   | Noticed Gugosizxa the pandemonium lord
311444 | Zig:12   | Noticed Buobru Dai the pandemonium lord
311444 | Zig:12   | Noticed Ucoz the pandemonium lord
311444 | Zig:12   | Noticed Adaowiud the pandemonium lord
311444 | Zig:12   | Noticed Imum the pandemonium lord
311444 | Zig:12   | Noticed Canub the pandemonium lord
311444 | Zig:12   | Noticed Itavixt the pandemonium lord
311444 | Zig:12   | Noticed Tecwunta the pandemonium lord
311444 | Zig:12   | Noticed Peycku the pandemonium lord
311444 | Zig:12   | Noticed Yhueseid the pandemonium lord
311445 | Zig:12   | Killed Puorux the pandemonium lord
311445 | Zig:12   | Noticed Feroelo the pandemonium lord
311447 | Zig:12   | Noticed Haifi the pandemonium lord
311447 | Zig:12   | Noticed Kitit the pandemonium lord
311447 | Zig:12   | Noticed Iffox the pandemonium lord
311449 | Zig:12   | Killed Tahu the pandemonium lord
311450 | Zig:12   | Killed Tecwunta the pandemonium lord
311451 | Zig:12   | Killed Mypsullodif the pandemonium lord
311451 | Zig:12   | Killed Ucoz the pandemonium lord
311452 | Zig:12   | Noticed Paor Jis the pandemonium lord
311453 | Zig:12   | Noticed Dewo the pandemonium lord
311453 | Zig:12   | Killed Veziuv the pandemonium lord
311454 | Zig:12   | Killed Imum the pandemonium lord
311454 | Zig:12   | Killed Kitit the pandemonium lord
311454 | Zig:12   | Noticed Eshramm the pandemonium lord
311455 | Zig:12   | Killed Buhych the pandemonium lord
311455 | Zig:12   | Killed Canub the pandemonium lord
311455 | Zig:12   | Killed Peycku the pandemonium lord
311456 | Zig:12   | Noticed Mucor the pandemonium lord
311456 | Zig:12   | Noticed Tidyll the pandemonium lord
311457 | Zig:12   | Killed Dewo the pandemonium lord
311457 | Zig:12   | Noticed Ulapn the pandemonium lord
311457 | Zig:12   | Noticed Heum the pandemonium lord
311457 | Zig:12   | Noticed Qimiredo the pandemonium lord
311457 | Zig:12   | Noticed Vuaggar the pandemonium lord
311457 | Zig:12   | Killed Itavixt the pandemonium lord
311458 | Zig:12   | HP: 9/199 [Haifi the pandemonium lord (15)]
311458 | Zig:12   | Noticed Yddy the pandemonium lord
311458 | Zig:12   | Noticed Onuem the pandemonium lord
311458 | Zig:12   | Slain by Gugosizxa the pandemonium lord (14 damage)
311459 | Zig:12   | Noticed Guint the pandemonium lord
311459 | Zig:12   | Killed Xivir the pandemonium lord
311459 | Zig:12   | Noticed Citoowuum the pandemonium lord
311459 | Zig:12   | Noticed Giup Bemm the pandemonium lord
311460 | Zig:12   | Noticed Voukhlesch the pandemonium lord
311460 | Zig:12   | Noticed Ipagyop the pandemonium lord
311460 | Zig:12   | Killed Xapn the pandemonium lord
311460 | Zig:12   | Killed Fazit the pandemonium lord
311461 | Zig:12   | Noticed Fyum the pandemonium lord
311463 | Zig:12   | Killed Ciagybbu the pandemonium lord
311463 | Zig:12   | Noticed Agyxi the pandemonium lord
311463 | Zig:12   | Noticed Elaabat the pandemonium lord
311464 | Zig:12   | Noticed Fuheg the pandemonium lord
311464 | Zig:12   | Killed Buobru Dai the pandemonium lord
311464 | Zig:12   | Killed Feroelo the pandemonium lord
311464 | Zig:12   | Noticed Fafafur the pandemonium lord
311464 | Zig:12   | Noticed Huazekia the pandemonium lord
311464 | Zig:12   | Noticed Zuidghota the pandemonium lord
311464 | Zig:12   | Noticed Page the pandemonium lord
311464 | Zig:12   | Noticed Ysomomaq the pandemonium lord
311464 | Zig:12   | Noticed Wuonut the pandemonium lord
311464 | Zig:12   | Noticed Nihugik the pandemonium lord
311465 | Zig:12   | Noticed Duathretai the pandemonium lord
311465 | Zig:12   | Noticed Ykheopru the pandemonium lord
311465 | Zig:12   | Killed Vedih the pandemonium lord
311465 | Zig:12   | Noticed Abifyum the pandemonium lord
311466 | Zig:12   | Killed Guint the pandemonium lord
311466 | Zig:12   | Noticed Loaf the pandemonium lord
311467 | Zig:12   | Killed Adaowiud the pandemonium lord
311468 | Zig:12   | Noticed Licosch the pandemonium lord
311468 | Zig:12   | HP: 8/199 [Ipagyop the pandemonium lord (9)]
311468 | Zig:12   | Mangled by Haifi the pandemonium lord (18 damage)
311468 | Zig:12   | Killed Laurops the pandemonium lord
311468 | Zig:12   | Killed Vulony the pandemonium lord
311468 | Zig:12   | Killed Ulapn the pandemonium lord
311468 | Zig:12   | Killed Efecagaony the pandemonium lord
311468 | Zig:12   | Noticed Kirury the pandemonium lord
311469 | Zig:12   | Killed Awad the pandemonium lord
311469 | Zig:12   | Killed Gugosizxa the pandemonium lord
311471 | Zig:12   | Killed Voukhlesch the pandemonium lord
311471 | Zig:12   | Killed Mucor the pandemonium lord
311471 | Zig:12   | Noticed Echutym the pandemonium lord
311472 | Zig:12   | Killed Zuntom the pandemonium lord
311472 | Zig:12   | Killed Ipagyop the pandemonium lord
311472 | Zig:12   | Killed Yhueseid the pandemonium lord
311472 | Zig:12   | Noticed Yfiboopt the pandemonium lord
311472 | Zig:12   | HP: 3/199 [Zuidghota the pandemonium lord (22)]
311472 | Zig:12   | Mangled by Zuidghota the pandemonium lord (9 damage)
311473 | Zig:12   | Killed Hics the pandemonium lord
311473 | Zig:12   | Killed Haifi the pandemonium lord
311474 | Zig:12   | Killed Heum the pandemonium lord
311474 | Zig:12   | Killed Huazekia the pandemonium lord
311474 | Zig:12   | Killed Vuaggar the pandemonium lord
311474 | Zig:12   | Killed Musseaxupp the pandemonium lord
311474 | Zig:12   | Killed Iffox the pandemonium lord
311476 | Zig:12   | Noticed Nouciu the pandemonium lord
311477 | Zig:12   | Noticed Zixus the pandemonium lord
311480 | Zig:12   | Killed Ykheopru the pandemonium lord
311480 | Zig:12   | Killed Tocoiw the pandemonium lord
311480 | Zig:12   | Killed Fafafur the pandemonium lord
311483 | Zig:12   | Noticed Zyixtom the pandemonium lord
311485 | Zig:12   | Killed Fuheg the pandemonium lord
311486 | Zig:12   | Noticed Doeng the pandemonium lord
311486 | Zig:12   | Killed Zixus the pandemonium lord
311487 | Zig:12   | Killed Giup Bemm the pandemonium lord
311487 | Zig:12   | HP: 8/199 [Zuidghota the pandemonium lord (6)]
311488 | Zig:12   | Mangled by Nihugik the pandemonium lord (22 damage)
311490 | Zig:12   | Noticed Qentit the pandemonium lord
311490 | Zig:12   | Noticed Cocvulyz the pandemonium lord
311493 | Zig:12   | HP: 3/199 [Page the pandemonium lord/bolt of fire (16)]
311493 | Zig:12   | Demolished by Zyixtom the pandemonium lord (18 damage)
311494 | Zig:12   | Killed Nihugik the pandemonium lord
311495 | Zig:12   | Killed Nouciu the pandemonium lord
311497 | Zig:12   | Noticed Ydden the pandemonium lord
311497 | Zig:12   | Noticed Minnuu Qylok the pandemonium lord
311498 | Zig:12   | Killed Zuidghota the pandemonium lord
311501 | Zig:12   | Killed Zyixtom the pandemonium lord
311501 | Zig:12   | Killed Wuonut the pandemonium lord
311502 | Zig:12   | Killed Echutym the pandemonium lord
311503 | Zig:12   | Killed Agyxi the pandemonium lord
311503 | Zig:12   | Noticed Seroy the pandemonium lord
311503 | Zig:12   | Noticed Acle the pandemonium lord
311503 | Zig:12   | Noticed Qeaweig the pandemonium lord
311503 | Zig:12   | Noticed Woggecku the pandemonium lord
311503 | Zig:12   | Noticed Pyfe the pandemonium lord
311503 | Zig:12   | Noticed Puletz the pandemonium lord
311504 | Zig:12   | Killed Yddy the pandemonium lord
311505 | Zig:12   | Killed Qimiredo the pandemonium lord
311506 | Zig:12   | HP: 4/199 [spore (11)]
311506 | Zig:12   | Killed Ilojynipn the pandemonium lord
311506 | Zig:12   | Killed Loaf the pandemonium lord
311506 | Zig:12   | HP: 1/199 [cloud of thunder (3)]
311506 | Zig:12   | Mangled by Bibaskao the pandemonium lord (8 damage)
311506 | Zig:12   | Killed Bibaskao the pandemonium lord
311507 | Zig:12   | Killed Onuem the pandemonium lord
311507 | Zig:12   | Killed Citoowuum the pandemonium lord
311507 | Zig:12   | Killed Page the pandemonium lord
311508 | Zig:12   | Killed Cocvulyz the pandemonium lord
311508 | Zig:12   | Killed Abifyum the pandemonium lord
311508 | Zig:12   | Killed Qentit the pandemonium lord
311508 | Zig:12   | Killed Kirury the pandemonium lord
311509 | Zig:12   | Killed Elaabat the pandemonium lord
311510 | Zig:12   | Killed Paor Jis the pandemonium lord
311511 | Zig:12   | Killed Eshramm the pandemonium lord
311511 | Zig:12   | Killed Qeaweig the pandemonium lord
311511 | Zig:12   | Killed Licosch the pandemonium lord
311511 | Zig:12   | Killed Seroy the pandemonium lord
311511 | Zig:12   | Killed Ydden the pandemonium lord
311513 | Zig:12   | Killed Suram the pandemonium lord
311514 | Zig:12   | Killed Duathretai the pandemonium lord
311516 | Zig:12   | Killed Doeng the pandemonium lord
311518 | Zig:12   | Killed Acle the pandemonium lord
311519 | Zig:12   | Killed Tidyll the pandemonium lord
311522 | Zig:12   | Killed Minnuu Qylok the pandemonium lord
311523 | Zig:12   | Killed Puletz the pandemonium lord
311525 | Zig:12   | Killed Woggecku the pandemonium lord
311531 | Zig:12   | Killed Pyfe the pandemonium lord
311533 | Zig:12   | Killed Ysomomaq the pandemonium lord
311533 | Zig:12   | HP: 1/199 [disintegration (17)]
311540 | Zig:12   | Killed Fyum the pandemonium lord
311540 | Zig:12   | Blown up by Yfiboopt the pandemonium lord (61 damage)
                  | ... with an orb of destruction
311554 | Zig:12   | Killed Yfiboopt the pandemonium lord
311753 | Zig:12   | Lost mutation: Your spells are a little easier to cast, but
                  | a little less powerful. [potion of mutation]
311753 | Zig:12   | Lost mutation: Your mind is acute. (Int +4, Str/Dex -1)
                  | [potion of mutation]
311753 | Zig:12   | Gained mutation: Your movements are slightly less
                  | encumbered by armour. (ER -2) [potion of mutation]
311753 | Zig:12   | Gained mutation: You are frail. (-10% HP) [potion of
                  | mutation]
311753 | Zig:12   | Gained mutation: You have an increased reservoir of magic.
                  | (+10% MP) [potion of mutation]
311753 | Zig:12   | Lost mutation: You sometimes lose your temper in combat.
                  | [potion of mutation]
311754 | Zig:12   | Lost mutation: Your body sometimes deteriorates upon taking
                  | damage. [potion of mutation]
311754 | Zig:12   | Lost mutation: You have an increased reservoir of magic.
                  | (+10% MP) [potion of mutation]
311754 | Zig:12   | Lost mutation: A frigid envelope surrounds you and freezes
                  | all who hurt you. [potion of mutation]
311754 | Zig:12   | Gained mutation: You are partially covered in iridescent
                  | scales. (AC +2) [potion of mutation]
311754 | Zig:12   | Gained mutation: You are strong-willed. (Will+) [potion of
                  | mutation]
311754 | Zig:12   | Gained mutation: You have hidden genetic potential. [potion
                  | of mutation]
311755 | Zig:12   | Lost mutation: You are frail. (-10% HP) [potion of
                  | mutation]
311755 | Zig:12   | Lost mutation: You are partially covered in iridescent
                  | scales. (AC +2) [potion of mutation]
311755 | Zig:12   | Lost mutation: Your movements are slightly less encumbered
                  | by armour. (ER -2) [potion of mutation]
311763 | Zig:12   | Identified the ring of Ephemeral Luck {rPois rCorr MP+9
                  | Dex-5}
311794 | Zig:12   | Identified the +0 chain mail of the Chupacabra {*Corrode
                  | rPois rF+}
311796 | Zig:12   | Identified the staff of air "Adghoen" {rElec rPois rC++
                  | SInv Stlth+}
311797 | Zig:12   | Identified the staff of conjuration "Seronw Sipynt" {rN+
                  | Will+}
311799 | Zig:12   | Identified the +1 robe of Filigreed Mirth {Dex+6}
311822 | Zig:12   | Identified the +4 spear "Poziuxt" {heavy, rCorr Int+2
                  | Stlth-}
311845 | Zig:13   | Entered Level 13 of a ziggurat
311868 | Zig:13   | Paralysed by a floating eye for 3 turns
311868 | Zig:13   | HP: 4/199 [azure jelly (9)]
311869 | Zig:13   | Annihilated by a rockslime (34 damage)
                  | ... while paralysed by a floating eye
311882 | Zig:13   | Slain by an acid blob (32 damage)
311900 | Zig:13   | Slain by an acid blob (22 damage)
311913 | Zig:13   | Mangled by an azure jelly (22 damage)
311913 | Zig:13   | Gained mutation: You have sharp toenails. [hidden
                  | potential]
311922 | Zig:13   | Blown up by an eye of devastation (29 damage)
                  | ... with a bolt of energy
312102 | Zig:13   | Identified the staff of earth "Meneptod" {rN+ Will+}
312117 | Zig:13   | Identified the +7 war axe of Righteous Anger {drain, Dex+4}
312120 | Zig:13   | Identified the staff of earth "Kiluthro" {rElec rF+ Str-3
                  | Dex+2}
312131 | Zig:13   | Identified the +4 spear of Qun Kuyc {speed, rElec MP+9
                  | Dex+3 Stlth+}
312136 | Zig:13   | Identified the +8 pearl dragon scales of Acevuoj {rPois rN+
                  | Str+3 Int+3}
312137 | Zig:13   | Identified the ring "Bihiafez" {Wiz Fly}
312163 | Zig:13   | Identified the +4 morningstar of Big Damage {venom,
                  | *Corrode rF+ MP+9 Dex+2}
312181 | Zig:13   | Identified the +11 rapier of Vodka {venom, Str+5 Int+3
                  | Stlth+}
312190 | Zig:14   | Entered Level 14 of a ziggurat
312214 | Zig:14   | Slain by a rockslime (16 damage)
312220 | Zig:14   | Lost mutation: You have hidden genetic potential. [a
                  | shining eye]
312222 | Zig:14   | HP: 1/199 [acid blob (39)]
312222 | Zig:14   | Splashed by an acid blob's acid (5 damage)
312227 | Zig:14   | Mangled by an acid blob (34 damage)
312231 | Zig:14   | Paralysed by a floating eye for 2 turns
312232 | Zig:14   | Mangled by an acid blob (35 damage)
                  | ... while paralysed by a floating eye
312237 | Zig:14   | Slain by an azure jelly (17 damage)
312237 | Zig:14   | Paralysed by a floating eye for 3 turns
312241 | Zig:14   | Annihilated by a rockslime (39 damage)
312248 | Zig:14   | Paralysed by a floating eye for 2 turns
312250 | Zig:14   | HP: 4/199 [acid blob (18)]
312250 | Zig:14   | Splashed by an acid blob's acid (4 damage)
                  | ... while paralysed by a floating eye
312270 | Zig:14   | Paralysed by a floating eye for 4 turns
312271 | Zig:14   | HP: 8/199 [azure jelly (12)]
312271 | Zig:14   | Slain by an azure jelly (8 damage)
                  | ... while paralysed by a floating eye
312277 | Zig:14   | Paralysed by a floating eye for 4 turns
312281 | Zig:14   | Slain by an acid blob (35 damage)
                  | ... while paralysed by a floating eye
312572 | Zig:14   | Identified the ring of the Bellicose God {Fire Str+3 Int+3}
312584 | Zig:14   | Identified the +7 battleaxe "Uqafile" {freeze, Drain Int+3
                  | Dex+4}
312591 | Zig:14   | Identified the staff of cold "Qedomucu" {Contam rPois rF+
                  | rC+}
312594 | Zig:14   | Identified the orb of Imperfection {*Rage, rF+ rC+ Dex+2}
312606 | Zig:14   | Identified the +4 hand axe "Facun" {freeze, *Corrode rElec
                  | Will++ Dex+3}
312631 | Zig:14   | Identified the +1 leather armour of Duty {Rampage rC- rN+
                  | Str-4 Slay+5}
312656 | Zig:14   | Identified the ring "Liozaal" {Fire rPois MP-9 Slay+5}
312673 | Zig:14   | Identified the +6 sling of Changing Execution {freeze, rN+}
312689 | Zig:15   | Entered Level 15 of a ziggurat
312689 | Zig:15   | Noticed Hinkyome the pandemonium lord
312689 | Zig:15   | Noticed Wanlutur the pandemonium lord
312689 | Zig:15   | Noticed Cexewkoh the pandemonium lord
312689 | Zig:15   | Noticed Meuvaun the pandemonium lord
312689 | Zig:15   | Noticed Rekux the pandemonium lord
312689 | Zig:15   | Noticed Bumneug the pandemonium lord
312689 | Zig:15   | Noticed Siuvvus the pandemonium lord
312689 | Zig:15   | Noticed Qetrun the pandemonium lord
312689 | Zig:15   | Noticed Vashreen the pandemonium lord
312689 | Zig:15   | Noticed Nida the pandemonium lord
312689 | Zig:15   | Noticed Gotaqeha the pandemonium lord
312689 | Zig:15   | Noticed Osio the pandemonium lord
312689 | Zig:15   | Noticed Suhytus the pandemonium lord
312689 | Zig:15   | Noticed Riafamn the pandemonium lord
312689 | Zig:15   | Noticed Hiddeim the pandemonium lord
312689 | Zig:15   | Noticed Efaeddu the pandemonium lord
312689 | Zig:15   | Noticed Hoecvoub the pandemonium lord
312689 | Zig:15   | Noticed Zam Pamm the pandemonium lord
312689 | Zig:15   | Noticed Vimakiem the pandemonium lord
312689 | Zig:15   | Noticed Mousteiz the pandemonium lord
312689 | Zig:15   | Noticed Gistegg the pandemonium lord
312689 | Zig:15   | Noticed Ezyrraig the pandemonium lord
312689 | Zig:15   | Noticed Imiuf the pandemonium lord
312690 | Zig:15   | Noticed Cukkie the pandemonium lord
312690 | Zig:15   | Noticed Kiharusk the pandemonium lord
312690 | Zig:15   | Noticed Yfolus the pandemonium lord
312690 | Zig:15   | Noticed Ripee the pandemonium lord
312691 | Zig:15   | Noticed Teem the pandemonium lord
312692 | Zig:15   | Killed Imiuf the pandemonium lord
312692 | Zig:15   | Killed Osio the pandemonium lord
312693 | Zig:15   | Noticed Cuskogreikh the pandemonium lord
312693 | Zig:15   | Noticed Widiegg the pandemonium lord
312694 | Zig:15   | Killed Riafamn the pandemonium lord
312694 | Zig:15   | Noticed Ikonosm the pandemonium lord
312694 | Zig:15   | Noticed Muanilua the pandemonium lord
312694 | Zig:15   | Noticed Dier the pandemonium lord
312694 | Zig:15   | Noticed Mapnot the pandemonium lord
312694 | Zig:15   | Noticed Monof the pandemonium lord
312694 | Zig:15   | Noticed Qekug the pandemonium lord
312694 | Zig:15   | Noticed Cummitz the pandemonium lord
312695 | Zig:15   | Killed Gistegg the pandemonium lord
312695 | Zig:15   | Killed Hiddeim the pandemonium lord
312696 | Zig:15   | Killed Nida the pandemonium lord
312697 | Zig:15   | Killed Hoecvoub the pandemonium lord
312698 | Zig:15   | Killed Yfolus the pandemonium lord
312699 | Zig:15   | Noticed Ytroiwnu the pandemonium lord
312699 | Zig:15   | Killed Bumneug the pandemonium lord
312699 | Zig:15   | Killed Ezyrraig the pandemonium lord
312700 | Zig:15   | Killed Zam Pamm the pandemonium lord
312701 | Zig:15   | Killed Efaeddu the pandemonium lord
312705 | Zig:15   | Noticed Hegro the pandemonium lord
312706 | Zig:15   | Slain by Cukkie the pandemonium lord (28 damage)
312707 | Zig:15   | Noticed Doxaipsie the pandemonium lord
312708 | Zig:15   | Killed Cukkie the pandemonium lord
312710 | Zig:15   | Killed Vimakiem the pandemonium lord
312711 | Zig:15   | Killed Teem the pandemonium lord
312716 | Zig:15   | Noticed Umoy the pandemonium lord
312716 | Zig:15   | Noticed Nocwelux the pandemonium lord
312716 | Zig:15   | Noticed Wubehudd the pandemonium lord
312716 | Zig:15   | Noticed Qofo the pandemonium lord
312716 | Zig:15   | Noticed Kusut the pandemonium lord
312716 | Zig:15   | Noticed Ethob the pandemonium lord
312716 | Zig:15   | Noticed Umoimos the pandemonium lord
312716 | Zig:15   | Noticed Guiwag the pandemonium lord
312717 | Zig:15   | Noticed Tubazxan the pandemonium lord
312717 | Zig:15   | Noticed Gauxeklany the pandemonium lord
312717 | Zig:15   | Killed Rekux the pandemonium lord
312720 | Zig:15   | Noticed Wyacochuto the pandemonium lord
312720 | Zig:15   | Killed Suhytus the pandemonium lord
312720 | Zig:15   | Killed Ikonosm the pandemonium lord
312723 | Zig:15   | Noticed Ginneuqu the pandemonium lord
312723 | Zig:15   | Killed Mapnot the pandemonium lord
312723 | Zig:15   | Killed Doxaipsie the pandemonium lord
312723 | Zig:15   | Killed Qekug the pandemonium lord
312723 | Zig:15   | HP: 4/199 [cloud of thunder (7)]
312723 | Zig:15   | Slain by Cexewkoh the pandemonium lord (5 damage)
312724 | Zig:15   | Noticed Ockuot the pandemonium lord
312724 | Zig:15   | Killed Cummitz the pandemonium lord
312727 | Zig:15   | Noticed Lirphif the pandemonium lord
312727 | Zig:15   | Noticed Zyntushi the pandemonium lord
312727 | Zig:15   | Killed Cexewkoh the pandemonium lord
312727 | Zig:15   | Killed Ripee the pandemonium lord
312727 | Zig:15   | Killed Vashreen the pandemonium lord
312727 | Zig:15   | Killed Hinkyome the pandemonium lord
312727 | Zig:15   | Killed Wanlutur the pandemonium lord
312727 | Zig:15   | Killed Mousteiz the pandemonium lord
312728 | Zig:15   | Noticed Xizyem the pandemonium lord
312728 | Zig:15   | Killed Siuvvus the pandemonium lord
312728 | Zig:15   | Killed Hegro the pandemonium lord
312729 | Zig:15   | Killed Gotaqeha the pandemonium lord
312729 | Zig:15   | Killed Monof the pandemonium lord
312729 | Zig:15   | Noticed Mosumuits the pandemonium lord
312729 | Zig:15   | Noticed Ceffie the pandemonium lord
312730 | Zig:15   | Noticed Weragof the pandemonium lord
312731 | Zig:15   | Killed Dier the pandemonium lord
312731 | Zig:15   | Killed Kusut the pandemonium lord
312732 | Zig:15   | Noticed Woofunah the pandemonium lord
312732 | Zig:15   | Noticed Zihiodan the pandemonium lord
312732 | Zig:15   | Noticed Rionumeod the pandemonium lord
312733 | Zig:15   | Killed Kiharusk the pandemonium lord
312733 | Zig:15   | Killed Tubazxan the pandemonium lord
312733 | Zig:15   | Killed Ethob the pandemonium lord
312734 | Zig:15   | Noticed Julleach the pandemonium lord
312734 | Zig:15   | Killed Ockuot the pandemonium lord
312734 | Zig:15   | Killed Ytroiwnu the pandemonium lord
312734 | Zig:15   | Killed Gauxeklany the pandemonium lord
312734 | Zig:15   | Killed Cuskogreikh the pandemonium lord
312734 | Zig:15   | Noticed Terokarr the pandemonium lord
312735 | Zig:15   | Slain by Nocwelux the pandemonium lord (19 damage)
312736 | Zig:15   | Killed Nocwelux the pandemonium lord
312736 | Zig:15   | Killed Qetrun the pandemonium lord
312736 | Zig:15   | Killed Muanilua the pandemonium lord
312737 | Zig:15   | Killed Umoimos the pandemonium lord
312739 | Zig:15   | Killed Ginneuqu the pandemonium lord
312740 | Zig:15   | Killed Umoy the pandemonium lord
312740 | Zig:15   | Banished Mosumuits the pandemonium lord
312741 | Zig:15   | Killed Widiegg the pandemonium lord
312742 | Zig:15   | Killed Woofunah the pandemonium lord
312742 | Zig:15   | Noticed Podasam the pandemonium lord
312742 | Zig:15   | Noticed Duzidwem the pandemonium lord
312743 | Zig:15   | Killed Wyacochuto the pandemonium lord
312743 | Zig:15   | Noticed Alonir the pandemonium lord
312744 | Zig:15   | Killed Xizyem the pandemonium lord
312747 | Zig:15   | Killed Wubehudd the pandemonium lord
312748 | Zig:15   | Noticed Vazu the pandemonium lord
312748 | Zig:15   | Noticed Liloaset the pandemonium lord
312748 | Zig:15   | Noticed Nyit the pandemonium lord
312752 | Zig:15   | Noticed Jassoipa the pandemonium lord
312752 | Zig:15   | Noticed Nawkouna the pandemonium lord
312753 | Zig:15   | Noticed Emedaum the pandemonium lord
312756 | Zig:15   | HP: 9/199 [Vazu the pandemonium lord (14)]
312756 | Zig:15   | Slain by an apocalypse crab (9 damage)
312757 | Zig:15   | Killed Rionumeod the pandemonium lord
312758 | Zig:15   | Killed Zyntushi the pandemonium lord
312758 | Zig:15   | Killed Qofo the pandemonium lord
312760 | Zig:15   | Killed Alonir the pandemonium lord
312763 | Zig:15   | Killed Terokarr the pandemonium lord
312763 | Zig:15   | Killed Zihiodan the pandemonium lord
312764 | Zig:15   | Killed Emedaum the pandemonium lord
312764 | Zig:15   | HP: 8/199 [Vazu the pandemonium lord (32)]
312764 | Zig:15   | Slain by Vazu the pandemonium lord (10 damage)
312765 | Zig:15   | Killed Julleach the pandemonium lord
312766 | Zig:15   | Killed Meuvaun the pandemonium lord
312766 | Zig:15   | Killed Lirphif the pandemonium lord
312766 | Zig:15   | Killed Vazu the pandemonium lord
312767 | Zig:15   | Mangled by Weragof the pandemonium lord (15 damage)
312768 | Zig:15   | Killed Weragof the pandemonium lord
312772 | Zig:15   | Killed Nawkouna the pandemonium lord
312772 | Zig:15   | Killed Liloaset the pandemonium lord
312773 | Zig:15   | Killed Podasam the pandemonium lord
312773 | Zig:15   | Killed Duzidwem the pandemonium lord
312773 | Zig:15   | Killed Ceffie the pandemonium lord
312775 | Zig:15   | Killed Guiwag the pandemonium lord
312776 | Zig:15   | Killed Jassoipa the pandemonium lord
312785 | Zig:15   | Killed Nyit the pandemonium lord
312971 | Zig:15   | Identified the +2 robe of Vuoliy {rN+}
312998 | Zig:15   | Identified the ring of Wockub {Drain rN+++ EV+5 Str-5
                  | Stlth+}
313013 | Zig:15   | Identified the +8 double sword "Lashry" {freeze, Str+4}
313063 | Zig:15   | Identified the staff of conjuration "Idissuvu" {Str+3}
313070 | Zig:15   | Identified the staff of air "Egajoz" {rElec rC+++ Will++
                  | Str-2 Dex-5}
313085 | Zig:15   | Identified the +6 scimitar "Sufer" {antimagic, rC+ rN+++
                  | Str-4 Dex-3}
313094 | Zig:16   | Entered Level 16 of a ziggurat
313169 | Zig:16   | Killed from afar by a golden dragon (52 damage)
                  | ... with a bolt of fire
313489 | Zig:16   | Identified the +1 pair of boots of Osypihull {rN+ MP+9
                  | Dex-3}
313510 | Zig:16   | Identified the +1 robe of Hadjma {rElec}
313533 | Zig:16   | Identified the +1 chain mail "Huprest" {rF+}
313541 | Zig:16   | Identified the +0 war axe "Conservator" {drain, *Corrode
                  | rElec Str+2 Dex+2}
313554 | Zig:16   | Identified the +2 robe of the Trees {rElec rPois SInv
                  | Stlth-}
313561 | Zig:16   | Identified the +3 scale mail of Plog {Rampage Will+ MP+9
                  | Dex+2}
313563 | Zig:16   | Identified the +4 trident of Lust {drain, Str+2 Int+3}
313568 | Zig:16   | Identified the staff of earth "Cosiox" {rC+ Will+ Stlth+}
313581 | Zig:17   | Entered Level 17 of a ziggurat
313588 | Zig:17   | Paralysed by an air elemental for 1 turns
313597 | Zig:17   | HP: 2/199 [Executioner[a deep elf demonologist] (11)]
313597 | Zig:17   | Killed by divine providence
                  | ... invoked by a deep elf high priest
                  | (10 damage)
313625 | Zig:17   | HP: 3/199 [deep elf high priest/divine providence (14)]
313626 | Zig:17   | Killed by divine providence
                  | ... invoked by a deep elf high priest
                  | (9 damage)
313674 | Zig:17   | HP: 2/199 [deep elf high priest/divine providence (14)]
313674 | Zig:17   | Killed by divine providence
                  | ... invoked by a deep elf high priest
                  | (13 damage)
313929 | Zig:17   | Identified the +4 quarterstaff "Qine" {freeze, rElec Int+3}
313946 | Zig:17   | Identified the ring "Eneutun" {rPois rC+ Will+ SInv}
313969 | Zig:17   | Identified the +2 scale mail of the Swamp {rPois Regen+}
313970 | Zig:17   | Identified the +9 long sword "Fycumiox" {flame, rC+ Will-
                  | rCorr Str+5}
313971 | Zig:17   | Identified the staff of air "Quelodd" {rElec rC+ Will+
                  | Str+2 Dex-2 SInv}
313975 | Zig:17   | Identified the +3 falchion of Domnau Awuta {protect, Will+
                  | Str-2 Int+5}
313976 | Zig:17   | Identified the +5 plate armour of Awnatt {rElec rN+ Int-4}
313981 | Zig:17   | Identified the ring "Fopis" {Str-5 Int+3 Dex+6 SInv}
313986 | Zig:17   | Identified the staff of conjuration "Muis" {rPois rC+}
313991 | Zig:17   | Identified the +7 crystal plate armour of the Lobster {Fly
                  | rPois rN++ Dex-4}
313997 | Zig:17   | Identified the ring of Jeshrew {rF+ rN+ Will+ MP-9 EV+5}
314037 | Zig:17   | Identified the +6 scale mail of Melancholy {rPois rC+}
314053 | Zig:17   | Identified the staff of poison "Roemagg" {rPois rC- rN+
                  | rCorr MP+9}
314078 | Zig:17   | Identified the +3 great sword "Qiops" {freeze, rPois Dex+3}
314082 | Zig:17   | Identified the +8 dagger "Mece" {freeze, rN+ rCorr Dex+3}
314095 | Zig:18   | Entered Level 18 of a ziggurat
314137 | Zig:18   | Killed from afar by a hellephant (41 damage)
                  | ... with a blast of flame
314177 | Zig:18   | HP: 9/199 [hellephant (13)]
314178 | Zig:18   | HP: 3/199 [hellephant (2)]
314181 | Zig:18   | Slain by a hellephant (6 damage)
314240 | Zig:18   | Identified the +3 plate armour of Blue Mirth {Rampage
                  | Regen+}
314530 | Zig:18   | Identified the +3 demon blade "Uluos" {flame, rPois}
314531 | Zig:18   | Identified the +7 falchion of the Shallot {heavy, Will+
                  | Int+4}
314535 | Zig:18   | Identified the +7 dagger "Igga" {vamp, Str+8 Int-3}
314567 | Zig:18   | Identified the +1 short sword of Calculation {heavy, rPois
                  | rN++ Str+3 Stlth+}
314583 | Zig:18   | Identified the +1 great mace of Dishonour {holy, rElec}
314584 | Zig:18   | Identified the +6 acid dragon scales of the Bells {rCorr
                  | Int+4}
314586 | Zig:18   | Identified the ring of Bess {Will+ rCorr Str-4 Int+3 Dex+3}
314620 | Zig:18   | Identified the +2 dagger of Prescription {heavy, Drain Fly
                  | rF+ SInv}
314624 | Zig:18   | Identified the staff of death "Jawelip" {*Corrode rC+++ rN+
                  | Will++ Int-4}
314626 | Zig:18   | Identified the +6 short sword "Donn" {spect, rC+ Dex+2}
314632 | Zig:18   | Identified the amulet of the Dragon {Spirit rN+}
314636 | Zig:18   | Identified the ring of Xiroaca {Str+6 SInv}
314639 | Zig:19   | Entered Level 19 of a ziggurat
314660 | Zig:19   | HP: 7/199 [balrug/divine providence (9)]
314661 | Zig:19   | Slain by an Executioner (8 damage)
314671 | Zig:19   | HP: 7/199 [demonspawn warmonger/+3 heavy great mace (16)]
314671 | Zig:19   | Slain by a demonspawn warmonger
                  | ... wielding a +3 heavy great mace
                  | (12 damage)
314681 | Zig:19   | HP: 1/199 [hellion/damnation (16)]
314681 | Zig:19   | Annihilated by a demonspawn warmonger
                  | ... wielding a +3 demon trident of venom
                  | (44 damage)
314684 | Zig:19   | Killed from afar by a Hell Sentinel (33 damage)
                  | ... with damnation
314688 | Zig:19   | Annihilated by a demonspawn warmonger
                  | ... wielding a +3 demon trident of venom
                  | (56 damage)
314693 | Zig:19   | Annihilated by a demonspawn warmonger
                  | ... wielding a +3 demon trident of venom
                  | (44 damage)
314698 | Zig:19   | Engulfed by a cloud of flame (16 damage)
314700 | Zig:19   | Slain by a demonspawn warmonger
                  | ... wielding a +3 demon trident of venom
                  | (47 damage)
314703 | Zig:19   | Killed by an exploding demonspawn blood saint (44 damage)
                  | ... ignited by their inner flame
314709 | Zig:19   | HP: 4/199 [lorocyproca (39)]
314710 | Zig:19   | Mangled by a demonspawn warmonger
                  | ... wielding a +3 demon trident of venom
                  | (14 damage)
314719 | Zig:19   | HP: 9/199 [Brimstone Fiend[a shadow demon] (3)]
314720 | Zig:19   | Mangled by a reaper
                  | ... wielding a +4 scythe of venom
                  | ... summoned by a shadow demon
                  | (17 damage)
314726 | Zig:19   | HP: 6/199 [Executioner (16)]
314726 | Zig:19   | Annihilated by an Executioner (33 damage)
                  | ... summoned by a shadow demon
314732 | Zig:19   | HP: 9/199 [reaper/+2 scythe of flaming (10)]
314734 | Zig:19   | HP: 3/199 [Tzitzimitl (7)]
314734 | Zig:19   | HP: 1/199 [blizzard demon/freezing blast (2)]
314735 | Zig:19   | Gained mutation: Your magical capacity is low. (-10% MP) [a
                  | cacodemon]
314735 | Zig:19   | Killed by divine providence
                  | ... invoked by a balrug
                  | (9 damage)
314743 | Zig:19   | HP: 7/199 [Ice Fiend/bolt of cold (23)]
314744 | Zig:19   | Killed from afar by an Ice Fiend (14 damage)
                  | ... with a bolt of cold
314755 | Zig:19   | HP: 7/199 [Tzitzimitl (4)]
314759 | Zig:19   | HP: 3/199 [sixfirhy (6)]
314759 | Zig:19   | Slain by a sixfirhy (3 damage)
314773 | Zig:19   | Paralysed by accursed screaming for 1 turns
314775 | Zig:19   | HP: 1/185 [starcursed mass/accursed screaming[a demonspawn
                  | corrupter] (10)]
314777 | Zig:19   | Killed from afar by a starcursed mass (11 damage)
                  | ... with an accursed screaming
                  | ... summoned by a demonspawn corrupter
314785 | Zig:19   | Killed by divine providence
                  | ... invoked by a mummy priest
                  | ... summoned by a demonspawn corrupter
                  | (15 damage)
314792 | Zig:19   | Demolished by a reaper
                  | ... wielding a +2 scythe of protection
                  | (27 damage)
314801 | Zig:19   | Slain by a reaper
                  | ... wielding a +1 scythe of protection
                  | (19 damage)
314801 | Zig:19   | Noticed Efargh the pandemonium lord
314807 | Zig:19   | HP: 5/199 [deep elf high priest/divine providence[a
                  | demonspawn corrupter] (13)]
314807 | Zig:19   | Killed by divine providence
                  | ... invoked by a balrug
                  | ... summoned by a shadow demon
                  | (13 damage)
314813 | Zig:19   | Slain by a demonspawn corrupter
                  | ... wielding a +2 great sword of pain
                  | (30 damage)
314819 | Zig:19   | Slain by a reaper
                  | ... wielding a +2 scythe of protection
                  | (29 damage)
314828 | Zig:19   | Slain by Efargh the pandemonium lord (33 damage)
314832 | Zig:19   | Killed Efargh the pandemonium lord
314832 | Zig:19   | Slain by a reaper
                  | ... wielding a +2 scythe of protection
                  | (27 damage)
314837 | Zig:19   | HP: 2/199 [balrug/divine providence[a shadow demon] (11)]
314838 | Zig:19   | Mangled by an Ice Fiend (14 damage)
314845 | Zig:19   | HP: 9/199 [reaper/+2 scythe of protection (13)]
314846 | Zig:19   | Annihilated by a lorocyproca (41 damage)
                  | ... summoned by a shadow demon
314853 | Zig:19   | HP: 4/199 [demonspawn warmonger/+5 vampiric glaive (22)]
314854 | Zig:19   | Mangled by a green death (15 damage)
314858 | Zig:19   | Slain by a demonspawn black sun
                  | ... wielding a +2 vampiric demon trident
                  | ... summoned by a shadow demon
                  | (24 damage)
314860 | Zig:19   | HP: 2/199 [reaper/+2 scythe of protection (34)]
314861 | Zig:19   | Slain by a soul eater (3 damage)
314863 | Zig:19   | Slain by a demonspawn black sun
                  | ... wielding a +2 vampiric demon trident
                  | ... summoned by a shadow demon
                  | (25 damage)
314867 | Zig:19   | Slain by a demonspawn black sun
                  | ... wielding a +2 vampiric demon trident
                  | ... summoned by a shadow demon
                  | (16 damage)
314870 | Zig:19   | Killed by an exploding demonspawn black sun (22 damage)
                  | ... ignited by their inner flame
314872 | Zig:19   | HP: 7/199 [balrug/divine providence[a shadow demon] (13)]
314873 | Zig:19   | Demolished by a demonspawn warmonger
                  | ... wielding a +5 vampiric glaive
                  | (26 damage)
314876 | Zig:19   | HP: 3/199 [demonspawn black sun/+2 vampiric demon trident[a
                  | shadow demon] (1)]
314876 | Zig:19   | Killed by divine providence
                  | ... invoked by a balrug
                  | ... summoned by a shadow demon
                  | (12 damage)
314880 | Zig:19   | HP: 1/199 [orange demon (5)]
314880 | Zig:19   | Mangled by a demonspawn black sun
                  | ... wielding a +2 vampiric demon trident
                  | ... summoned by a shadow demon
                  | (9 damage)
314889 | Zig:19   | HP: 3/199 [demonspawn warmonger/+5 vampiric glaive (23)]
314890 | Zig:19   | Killed from afar by an efreet (30 damage)
                  | ... with a bolt of fire
314894 | Zig:19   | Mangled by an Ice Fiend (26 damage)
315263 | Zig:19   | Identified the ring "Cexishrekk" {rPois rN+ rCorr Int+6
                  | Dex+4}
315273 | Zig:19   | Identified the ring "Xaorch" {Wiz +Blink rN+ Slay+3 Stlth-}
315279 | Zig:19   | Identified the +0 robe "Cevit" {Regen+}
315280 | Zig:19   | Identified the +2 rapier of Moug Rug {speed, Fragile rElec
                  | rCorr Dex+3}
315310 | Zig:19   | Identified the +7 halberd "Sawnimio" {spect, +Blink}
315315 | Zig:19   | Identified the +8 plate armour "Evatem" {Dex+2}
315328 | Zig:19   | Identified the staff of earth "Gahoam" {rN+ Int+3 Dex+5}
315329 | Zig:19   | Identified the +4 ring mail "Xownoxkye" {rF+ Regen+ Int+3}
315333 | Zig:19   | Identified the +0 war axe of Termination {venom, rN+ Will+
                  | Int+3}
315355 | Zig:19   | Identified the +8 shortbow "Gedarphey" {speed, rN+}
315378 | Zig:19   | Identified the staff of earth "Urilib" {rPois}
315384 | Zig:20   | Entered Level 20 of a ziggurat
315384 | Zig:20   | Noticed an ancient lich
315384 | Zig:20   | Noticed a dread lich
315384 | Zig:20   | Noticed an ancient lich
315384 | Zig:20   | Noticed a dread lich
315384 | Zig:20   | Noticed a dread lich
315384 | Zig:20   | Noticed a dread lich
315384 | Zig:20   | Noticed a dread lich
315384 | Zig:20   | Noticed a dread lich
315384 | Zig:20   | Noticed an ancient lich
315384 | Zig:20   | Noticed a dread lich
315384 | Zig:20   | Noticed an ancient lich
315384 | Zig:20   | Noticed an ancient lich
315384 | Zig:20   | Noticed an ancient lich
315385 | Zig:20   | Killed a dread lich
315386 | Zig:20   | Killed a dread lich
315387 | Zig:20   | Killed an ancient lich
315388 | Zig:20   | Killed an ancient lich
315388 | Zig:20   | Noticed an ancient lich
315389 | Zig:20   | Killed a dread lich
315392 | Zig:20   | Noticed an ancient lich
315394 | Zig:20   | Killed a dread lich
315394 | Zig:20   | Killed an ancient lich
315395 | Zig:20   | Killed an ancient lich
315397 | Zig:20   | Killed an ancient lich
315399 | Zig:20   | Killed a dread lich
315403 | Zig:20   | Killed an ancient lich
315406 | Zig:20   | Killed a dread lich
315408 | Zig:20   | Killed an ancient lich
315408 | Zig:20   | Noticed an ancient lich
315410 | Zig:20   | Killed an ancient lich
315412 | Zig:20   | Killed from afar by a titan (16 damage)
                  | ... with a bolt of lightning
315412 | Zig:20   | Noticed an ancient lich
315413 | Zig:20   | Noticed an ancient lich
315414 | Zig:20   | Noticed a dread lich
315414 | Zig:20   | Noticed a dread lich
315423 | Zig:20   | Killed an ancient lich
315424 | Zig:20   | Killed an ancient lich
315425 | Zig:20   | Noticed an ancient lich
315429 | Zig:20   | Killed an ancient lich
315431 | Zig:20   | Killed a dread lich
315431 | Zig:20   | Noticed a dread lich
315435 | Zig:20   | Noticed a dread lich
315438 | Zig:20   | Killed an ancient lich
315440 | Zig:20   | Killed from afar by a golden dragon (24 damage)
                  | ... with a bolt of cold
315440 | Zig:20   | Noticed a dread lich
315443 | Zig:20   | Noticed an ancient lich
315446 | Zig:20   | Killed a dread lich
315448 | Zig:20   | Killed a dread lich
315449 | Zig:20   | Killed a dread lich
315452 | Zig:20   | Noticed an ancient lich
315453 | Zig:20   | Noticed a dread lich
315456 | Zig:20   | Noticed an ancient lich
315456 | Zig:20   | Noticed a dread lich
315459 | Zig:20   | Killed a dread lich
315465 | Zig:20   | Noticed an ancient lich
315465 | Zig:20   | Killed a dread lich
315468 | Zig:20   | Killed by the air
                  | ... invoked by a titan
                  | (25 damage)
315471 | Zig:20   | Noticed a dread lich
315473 | Zig:20   | Killed an ancient lich
315473 | Zig:20   | Killed an ancient lich
315473 | Zig:20   | Killed a dread lich
315473 | Zig:20   | Noticed an ancient lich
315474 | Zig:20   | Killed a dread lich
315475 | Zig:20   | Killed an ancient lich
315478 | Zig:20   | Noticed an ancient lich
315479 | Zig:20   | Noticed a dread lich
315480 | Zig:20   | Noticed an ancient lich
315481 | Zig:20   | Killed an ancient lich
315482 | Zig:20   | Noticed a dread lich
315482 | Zig:20   | Noticed a dread lich
315483 | Zig:20   | Noticed a dread lich
315484 | Zig:20   | Noticed an ancient lich
315484 | Zig:20   | Noticed a dread lich
315484 | Zig:20   | Noticed a dread lich
315484 | Zig:20   | Noticed a dread lich
315484 | Zig:20   | Killed from afar by an ancient lich (23 damage)
                  | ... with a bolt of acid
315485 | Zig:20   | Noticed an ancient lich
315485 | Zig:20   | Noticed an ancient lich
315489 | Zig:20   | Noticed an ancient lich
315491 | Zig:20   | Paralysed by a floating eye for 4 turns
315492 | Zig:20   | Killed by divine providence
                  | ... invoked by a balrug
                  | ... summoned by a dread lich
                  | (16 damage)
                  | ... while paralysed by a floating eye
315493 | Zig:20   | Noticed an ancient lich
315498 | Zig:20   | Killed a dread lich
315501 | Zig:20   | Killed an ancient lich
315504 | Zig:20   | HP: 1/199 [balrug/divine providence[a dread lich] (11)]
315505 | Zig:20   | Killed by divine providence
                  | ... invoked by a sphinx
                  | (7 damage)
315506 | Zig:20   | Killed a dread lich
315508 | Zig:20   | Killed an ancient lich
315508 | Zig:20   | Killed an ancient lich
315508 | Zig:20   | Killed a dread lich
315508 | Zig:20   | Killed a dread lich
315508 | Zig:20   | Killed a dread lich
315509 | Zig:20   | Killed a dread lich
315509 | Zig:20   | Killed an ancient lich
315509 | Zig:20   | Killed an ancient lich
315511 | Zig:20   | Killed an ancient lich
315512 | Zig:20   | Killed an ancient lich
315512 | Zig:20   | Killed an ancient lich
315513 | Zig:20   | Killed a dread lich
315515 | Zig:20   | Killed a dread lich
315520 | Zig:20   | Killed by the air
                  | ... invoked by a titan
                  | (52 damage)
315818 | Zig:20   | Identified the +12 chain mail of the King of the Hill
                  | {Int+3}
315834 | Zig:20   | Identified the +3 chain mail of the Lobster {+Blink rPois
                  | rCorr Int-2}
315845 | Zig:20   | Identified the +0 pair of gloves "Etseqare" {rC- Will+++
                  | Int+3 Dex+3}
315853 | Zig:20   | Identified the +8 shortbow "Teh Heefipp" {freeze, rN+ Str+2
                  | Dex-2}
315856 | Zig:20   | Identified the staff of poison "Vybeushu" {rPois rF- Dex+4}
315874 | Zig:20   | Identified the +9 quarterstaff "Bonge" {protect, *Rage Fly
                  | rF++ Int+3}
315887 | Zig:20   | Identified the ring of the Coward {rElec rF+ Will- Str+3}
315888 | Zig:20   | Identified the staff of air "Jeorou" {rElec rPois Stlth+}
315891 | Zig:20   | Identified the +5 arbalest of the Sheltering Rat {penet,
                  | rC+ Str+3 Dex+4 Stlth+}
315934 | Zig:20   | Identified the +3 chain mail "Plog" {MP+9 Int+6 Slay-5}
315956 | Zig:20   | Identified the +9 plate armour of Freedom {Harm rF- MP-9
                  | Dex+8}
315963 | Zig:21   | Entered Level 21 of a ziggurat
315963 | Zig:21   | Noticed an ancient lich
315963 | Zig:21   | Noticed an ancient lich
315963 | Zig:21   | Noticed a dread lich
315963 | Zig:21   | Noticed a dread lich
315963 | Zig:21   | Noticed an ancient lich
315963 | Zig:21   | Noticed a dread lich
315963 | Zig:21   | Noticed a dread lich
315963 | Zig:21   | Noticed a dread lich
315963 | Zig:21   | Noticed an ancient lich
315964 | Zig:21   | Killed a dread lich
315964 | Zig:21   | Killed a dread lich
315964 | Zig:21   | Noticed a dread lich
315968 | Zig:21   | Noticed an ancient lich
315968 | Zig:21   | Killed an ancient lich
315969 | Zig:21   | Noticed an ancient lich
315969 | Zig:21   | Killed a dread lich
315971 | Zig:21   | Noticed an ancient lich
315971 | Zig:21   | Killed a dread lich
315971 | Zig:21   | Noticed an ancient lich
315971 | Zig:21   | Noticed an ancient lich
315973 | Zig:21   | Slain by a profane servitor
                  | ... wielding a +3 whip of flaming
                  | (17 damage)
315974 | Zig:21   | Noticed a dread lich
315974 | Zig:21   | Noticed an ancient lich
315974 | Zig:21   | Noticed a dread lich
315975 | Zig:21   | Killed a dread lich
315980 | Zig:21   | Killed an ancient lich
315983 | Zig:21   | Killed an ancient lich
315984 | Zig:21   | Noticed a dread lich
315985 | Zig:21   | Noticed a dread lich
315985 | Zig:21   | Noticed a dread lich
315987 | Zig:21   | Killed an ancient lich
315989 | Zig:21   | Killed from afar by an ancient lich (17 damage)
                  | ... with a bolt of acid
315990 | Zig:21   | Noticed a dread lich
315990 | Zig:21   | Killed an ancient lich
315991 | Zig:21   | Killed an ancient lich
315995 | Zig:21   | Noticed a dread lich
315996 | Zig:21   | Killed an ancient lich
315997 | Zig:21   | Noticed an ancient lich
315998 | Zig:21   | HP: 9/199 [profane servitor/+1 demon whip of draining (9)]
315999 | Zig:21   | Noticed an ancient lich
315999 | Zig:21   | Killed a dread lich
316000 | Zig:21   | Mangled by a profane servitor
                  | ... wielding a +3 demon whip
                  | (12 damage)
316002 | Zig:21   | Killed an ancient lich
316007 | Zig:21   | Killed an ancient lich
316008 | Zig:21   | Slain by a profane servitor
                  | ... wielding a +3 whip
                  | (16 damage)
316012 | Zig:21   | Noticed an ancient lich
316012 | Zig:21   | Killed a dread lich
316012 | Zig:21   | Noticed a dread lich
316014 | Zig:21   | Killed a dread lich
316014 | Zig:21   | Killed a dread lich
316018 | Zig:21   | Killed an ancient lich
316018 | Zig:21   | Killed a dread lich
316019 | Zig:21   | Killed a dread lich
316020 | Zig:21   | Killed a dread lich
316024 | Zig:21   | Killed an ancient lich
316026 | Zig:21   | Killed a dread lich
316026 | Zig:21   | HP: 6/199 [profane servitor/+1 whip (5)]
316027 | Zig:21   | Noticed an ancient lich
316028 | Zig:21   | Slain by a profane servitor
                  | ... wielding a +1 whip
                  | (6 damage)
316029 | Zig:21   | Killed an ancient lich
316029 | Zig:21   | Killed an ancient lich
316034 | Zig:21   | Noticed an ancient lich
316044 | Zig:21   | Noticed a dread lich
316046 | Zig:21   | HP: 6/199 [profane servitor/+2 whip (8)]
316046 | Zig:21   | Slain by a bone dragon (6 damage)
316049 | Zig:21   | Killed an ancient lich
316053 | Zig:21   | Killed a dread lich
316064 | Zig:21   | Killed an ancient lich
316067 | Zig:21   | HP: 4/199 [profane servitor/+1 whip (9)]
316067 | Zig:21   | Mangled by a bone dragon (15 damage)
316068 | Zig:21   | Killed a dread lich
316071 | Zig:21   | Noticed an ancient lich
316077 | Zig:21   | Noticed an ancient lich
316079 | Zig:21   | HP: 4/199 [ancient champion/iron shot (24)]
316079 | Zig:21   | Mangled by a bone dragon (12 damage)
316082 | Zig:21   | Noticed a dread lich
316083 | Zig:21   | Noticed a dread lich
316083 | Zig:21   | Killed an ancient lich
316094 | Zig:21   | Noticed an ancient lich
316096 | Zig:21   | Killed an ancient lich
316102 | Zig:21   | Killed a dread lich
316102 | Zig:21   | HP: 4/199 [cloud of thunder (8)]
316103 | Zig:21   | HP: 1/199 [cloud of thunder (4)]
316105 | Zig:21   | Killed a dread lich
316105 | Zig:21   | Engulfed by a cloud of thunder (7 damage)
316114 | Zig:21   | Blown up by a lich (56 damage)
                  | ... with an orb of destruction
316117 | Zig:21   | Killed an ancient lich
316130 | Zig:21   | HP: 7/199 [ancient champion/iron shot (10)]
316131 | Zig:21   | Slain by a vampire knight
                  | ... wielding a +0 great mace
                  | (9 damage)
316163 | Zig:21   | Slain by a reaper
                  | ... wielding a +0 heavy scythe
                  | (15 damage)
316177 | Zig:21   | HP: 3/199 [ancient champion/+2 battleaxe of draining (22)]
316179 | Zig:21   | Demolished by a phantasmal warrior (18 damage)
316251 | Zig:21   | HP: 8/199 [spectral titan[a revenant] (27)]
317041 | Zig:21   | Identified the +3 great mace "Qehon" {elec, Int+2 Dex+4}
317043 | Zig:21   | Identified the +1 rapier of Weash {flame, Will+ Str+3
                  | Dex+4}
317053 | Zig:21   | Identified the +8 flail "Vyh Feunish" {flame, Dex+2}
317086 | Zig:21   | Identified the ring "Necag" {Fire Will- rCorr Str+8 Dex-5}
317106 | Zig:21   | Identified the +2 arbalest "Ojete" {penet, rElec Dex+3}
317128 | Zig:22   | Entered Level 22 of a ziggurat
317128 | Zig:22   | Noticed a dread lich
317128 | Zig:22   | Noticed a dread lich
317128 | Zig:22   | Noticed a dread lich
317128 | Zig:22   | Noticed an ancient lich
317128 | Zig:22   | Noticed an ancient lich
317128 | Zig:22   | Noticed a dread lich
317128 | Zig:22   | Noticed an ancient lich
317128 | Zig:22   | Noticed an ancient lich
317128 | Zig:22   | Noticed a dread lich
317128 | Zig:22   | Noticed a dread lich
317130 | Zig:22   | Noticed a dread lich
317130 | Zig:22   | Killed a dread lich
317130 | Zig:22   | Noticed a dread lich
317130 | Zig:22   | Noticed an ancient lich
317131 | Zig:22   | Noticed a dread lich
317132 | Zig:22   | Killed a dread lich
317133 | Zig:22   | Killed an ancient lich
317134 | Zig:22   | Killed an ancient lich
317135 | Zig:22   | Noticed a dread lich
317135 | Zig:22   | Noticed a dread lich
317136 | Zig:22   | Killed a dread lich
317138 | Zig:22   | Noticed an ancient lich
317140 | Zig:22   | Noticed an ancient lich
317143 | Zig:22   | Noticed a dread lich
317143 | Zig:22   | Noticed an ancient lich
317144 | Zig:22   | Killed an ancient lich
317146 | Zig:22   | Killed a dread lich
317150 | Zig:22   | Noticed an ancient lich
317150 | Zig:22   | Killed a dread lich
317151 | Zig:22   | Killed an ancient lich
317153 | Zig:22   | Killed an ancient lich
317154 | Zig:22   | Noticed a dread lich
317154 | Zig:22   | Noticed an ancient lich
317154 | Zig:22   | Killed an ancient lich
317154 | Zig:22   | Noticed a dread lich
317156 | Zig:22   | Killed a dread lich
317157 | Zig:22   | Noticed a dread lich
317158 | Zig:22   | Killed a dread lich
317159 | Zig:22   | Killed a dread lich
317163 | Zig:22   | Killed a dread lich
317163 | Zig:22   | HP: 6/199 [cloud of thunder (7)]
317163 | Zig:22   | Noticed a dread lich
317164 | Zig:22   | Engulfed by a cloud of thunder (6 damage)
317165 | Zig:22   | Killed a dread lich
317168 | Zig:22   | Killed an ancient lich
317168 | Zig:22   | Killed a dread lich
317169 | Zig:22   | Noticed a dread lich
317170 | Zig:22   | Killed an ancient lich
317171 | Zig:22   | Killed an ancient lich
317173 | Zig:22   | Noticed an ancient lich
317173 | Zig:22   | Killed an ancient lich
317176 | Zig:22   | Killed a dread lich
317177 | Zig:22   | Killed a dread lich
317180 | Zig:22   | Noticed a dread lich
317181 | Zig:22   | Noticed an ancient lich
317183 | Zig:22   | Noticed a dread lich
317183 | Zig:22   | Noticed an ancient lich
317187 | Zig:22   | Killed a dread lich
317188 | Zig:22   | Noticed an ancient lich
317190 | Zig:22   | Killed a dread lich
317191 | Zig:22   | Noticed an ancient lich
317191 | Zig:22   | Noticed an ancient lich
317191 | Zig:22   | Noticed an ancient lich
317191 | Zig:22   | Noticed a dread lich
317192 | Zig:22   | Killed an ancient lich
317194 | Zig:22   | Killed a dread lich
317196 | Zig:22   | Killed a dread lich
317197 | Zig:22   | Noticed an ancient lich
317198 | Zig:22   | Killed an ancient lich
317198 | Zig:22   | Killed an ancient lich
317198 | Zig:22   | Killed a dread lich
317198 | Zig:22   | Killed an ancient lich
317198 | Zig:22   | Killed a dread lich
317198 | Zig:22   | Noticed an ancient lich
317199 | Zig:22   | Killed an ancient lich
317200 | Zig:22   | HP: 9/199 [bone dragon (8)]
317200 | Zig:22   | Killed a dread lich
317200 | Zig:22   | Noticed a dread lich
317202 | Zig:22   | Killed an ancient lich
317203 | Zig:22   | Killed an ancient lich
317203 | Zig:22   | Killed an ancient lich
317206 | Zig:22   | Noticed an ancient lich
317212 | Zig:22   | Killed an ancient lich
317214 | Zig:22   | HP: 9/199 [revenant] (3)]
317217 | Zig:22   | Killed an ancient lich
317218 | Zig:22   | Noticed a dread lich
317221 | Zig:22   | Killed a dread lich
317224 | Zig:22   | Noticed a dread lich
317227 | Zig:22   | HP: 4/199 [dread lich (11)]
317228 | Zig:22   | HP: 1/199 [bone dragon (3)]
317229 | Zig:22   | Killed a dread lich
317231 | Zig:22   | Noticed an ancient lich
317237 | Zig:22   | Noticed a dread lich
317238 | Zig:22   | HP: 2/199 [revenant] (4)]
317242 | Zig:22   | Noticed an ancient lich
317244 | Zig:22   | Killed a dread lich
317247 | Zig:22   | Killed an ancient lich
317248 | Zig:22   | Noticed an ancient lich
317251 | Zig:22   | Noticed a dread lich
317252 | Zig:22   | Blown up by a lich (100 damage)
                  | ... with an orb of destruction
317258 | Zig:22   | Noticed an ancient lich
317259 | Zig:22   | Noticed an ancient lich
317259 | Zig:22   | Killed an ancient lich
317259 | Zig:22   | Killed a dread lich
317259 | Zig:22   | Killed an ancient lich
317267 | Zig:22   | HP: 8/199 [reaper/+2 scythe of freezing (2)]
317268 | Zig:22   | Mangled by an ancient champion
                  | ... wielding a +1 great sword of draining
                  | (18 damage)
317270 | Zig:22   | Killed an ancient lich
317270 | Zig:22   | Noticed a dread lich
317271 | Zig:22   | Noticed an ancient lich
317273 | Zig:22   | Killed a dread lich
317277 | Zig:22   | Killed an ancient lich
317281 | Zig:22   | Killed a dread lich
317283 | Zig:22   | Killed an ancient lich
317284 | Zig:22   | HP: 9/199 [profane servitor/+3 demon whip of venom (9)]
317284 | Zig:22   | Killed from afar by an ancient champion (36 damage)
                  | ... with an iron shot
317285 | Zig:22   | Noticed a dread lich
317287 | Zig:22   | Noticed a dread lich
317298 | Zig:22   | HP: 5/199 [bone dragon (10)]
317302 | Zig:22   | HP: 2/199 [bone dragon (5)]
317305 | Zig:22   | Killed a dread lich
317306 | Zig:22   | Killed a dread lich
317310 | Zig:22   | Engulfed by a cloud of thunder (5 damage)
317366 | Zig:22   | HP: 8/176 [revenant (5)]
317367 | Zig:22   | HP: 1/177 [ancient champion/+2 battleaxe (7)]
317370 | Zig:22   | Slain by an ancient champion
                  | ... wielding a +2 battleaxe
                  | (6 damage)
317563 | Zig:22   | Identified the +4 quarterstaff of the Fresh God {flame,
                  | rElec}
317565 | Zig:22   | Identified the +8 flail of the Iron City of Dis {heavy,
                  | Contam rCorr Int+6}
317589 | Zig:22   | Identified the staff of cold "Leffis" {rPois rC+ Dex+4}
317625 | Zig:22   | Identified the +10 trident "Jielathrea" {pain, Str-3 Int+3
                  | Dex+5 SInv}
317628 | Zig:22   | Identified the staff of death "Xugid" {rN+ Will+ Str-3
                  | Int+4 Stlth+}
317631 | Zig:22   | Identified the +4 plate armour of Noon {-Tele rN++ Int+4}
317635 | Zig:22   | Identified the staff of fire "Aviatom" {rF+ rN+}
317654 | Zig:22   | Acquired 487 gold pieces
317656 | Zig:22   | Acquired 1009 gold pieces
317675 | Zig:23   | Entered Level 23 of a ziggurat
317704 | Zig:23   | Slain by a rockslime (28 damage)
317723 | Zig:23   | HP: 3/199 [acid blob (15)]
317723 | Zig:23   | Splashed by an acid blob's acid (4 damage)
317726 | Zig:23   | Paralysed by a floating eye for 2 turns
317731 | Zig:23   | Paralysed by a floating eye for 4 turns
317731 | Zig:23   | Mangled by a rockslime (31 damage)
                  | ... while paralysed by a floating eye
317736 | Zig:23   | Slain by a rockslime (25 damage)
317745 | Zig:23   | Killed by an exploding rockslime (11 damage)
                  | ... ignited by their inner flame
317764 | Zig:23   | Paralysed by a floating eye for 4 turns
317765 | Zig:23   | HP: 5/199 [cloud of flame (18)]
317765 | Zig:23   | Killed from afar by an acid blob (6 damage)
                  | ... with a splash of acid
                  | ... while paralysed by a floating eye
317769 | Zig:23   | Demolished by an acid blob (26 damage)
317778 | Zig:23   | Slain by an azure jelly (18 damage)
317803 | Zig:23   | HP: 9/199 [acid (1)]
317803 | Zig:23   | HP: 4/199 [azure jelly (5)]
317805 | Zig:23   | Splashed by an acid blob's acid (2 damage)
318017 | Zig:23   | Identified the +6 dire flail of Xom, Sheltering {venom, rN+
                  | Will- rCorr Dex+5}
318026 | Zig:23   | Identified the +5 spear of Dishonour {freeze, rC+ Dex-5
                  | Stlth+}
318058 | Zig:23   | Identified the staff of cold "Eggis" {Fly rC+ Str-5 Dex-4
                  | SInv}
318071 | Zig:23   | Identified the +0 chain mail "Mugextaxu" {Str+3 Dex+2}
318078 | Zig:23   | Identified the +5 long sword of Famine {spect, rCorr Int+2}
318090 | Zig:23   | Identified the +7 rapier of Doom {flame, Will+}
318127 | Zig:23   | Identified the +2 short sword of Wahoemy {venom, MP+9}
318166 | Zig:23   | Identified the +1 falchion of Eskyosch {venom, rN+ MP+9
                  | Str+2 Dex-5}
318167 | Zig:23   | Identified the +1 long sword of Mandamus {holy, rElec rPois
                  | rC- Str+6}
318176 | Zig:23   | Identified the +10 sling of Gil Arin {drain, Dex+4}
318185 | Zig:23   | Identified the staff of death "Edatoip" {rF+ rN+ MP+9}
318193 | Zig:24   | Entered Level 24 of a ziggurat
318217 | Zig:24   | Slain by a rockslime (33 damage)
318229 | Zig:24   | HP: 8/199 [acid blob/splash of acid (6)]
318230 | Zig:24   | Paralysed by a floating eye for 2 turns
318231 | Zig:24   | Splashed by an acid blob's acid (4 damage)
                  | ... while paralysed by a floating eye
318235 | Zig:24   | Paralysed by a floating eye for 2 turns
318245 | Zig:24   | HP: 9/199 [acid blob/splash of acid (14)]
318245 | Zig:24   | Killed from afar by an acid blob (11 damage)
                  | ... with a splash of acid
318260 | Zig:24   | Paralysed by a floating eye for 4 turns
318265 | Zig:24   | HP: 4/199 [acid blob/splash of acid (8)]
318265 | Zig:24   | Killed from afar by an acid blob (9 damage)
                  | ... with a splash of acid
318277 | Zig:24   | Gained mutation: Your natural rate of healing is unusually
                  | fast. [a shining eye]
318280 | Zig:24   | Killed from afar by an acid blob (17 damage)
                  | ... with a splash of acid
318286 | Zig:24   | Gained mutation: You occasionally shout uncontrollably at
                  | your foes. [a shining eye]
318289 | Zig:24   | Gained mutation: Armour fits poorly on your strangely
                  | shaped body. [a shining eye]
318340 | Zig:24   | Identified the ring "Belag" {rC+ Slay+2}
318358 | Zig:24   | Identified the +8 mace "Raisin" {heavy, rC+ rN+ SInv}
318374 | Zig:24   | Identified the +7 scale mail "Kaigud" {*Corrode Will+
                  | Regen+ Str+4}
318376 | Zig:24   | Identified the +12 shortbow "Fefuvael" {heavy, rPois}
318377 | Zig:24   | Identified the +9 plate armour of Prudence {Harm Str+2}
318380 | Zig:24   | Identified the +4 trident "Edehity" {flame, Will+ Str+4
                  | Dex+2}
318398 | Zig:24   | Identified the +0 plate armour of Indemnity {Dex+3}
318404 | Zig:24   | Identified the +8 longbow "Mypiem" {flame, SInv}
318412 | Zig:24   | Identified the +4 falchion of Ceipacol {freeze, Contam
                  | Dex+6}
318430 | Zig:24   | Identified the ring of Vanity {rF+ rN+ Will+ Str+2}
318436 | Zig:24   | Identified the +1 chain mail "Cauxt" {rC+ Dex+3}
318442 | Zig:24   | Identified the +2 ring mail of Terror {rN+ Int+3 Stlth+}
318444 | Zig:24   | Identified the staff of earth "Eletaj" {Drain rElec rF+
                  | rN+}
318448 | Zig:24   | Identified the +4 broad axe "Defuff" {holy, rElec rPois
                  | rCorr MP-9}
318452 | Zig:24   | Identified the +3 ring mail "Peupried" {Int+3}
318454 | Zig:24   | Identified the staff of death "Geos" {rElec rN+ Int+2}
318462 | Zig:24   | Identified the +2 pair of boots "Eloizuat" {Rampage}
318463 | Zig:24   | Identified the +1 scale mail of Mysticism {Int+5 Dex+2}
318495 | Zig:25   | Entered Level 25 of a ziggurat
318510 | Zig:25   | HP: 6/199 [acid blob/splash of acid (10)]
318511 | Zig:25   | Slain by an acid blob (8 damage)
318524 | Zig:25   | HP: 8/199 [acid (2)]
318524 | Zig:25   | HP: 2/199 [rockslime (5)]
318524 | Zig:25   | Mangled by an acid blob (8 damage)
318529 | Zig:25   | Slain by a rockslime (17 damage)
318538 | Zig:25   | HP: 8/199 [cloud of thunder (8)]
318538 | Zig:25   | HP: 3/199 [rockslime (6)]
318539 | Zig:25   | Engulfed by a cloud of thunder (5 damage)
318544 | Zig:25   | Gained mutation: Your spells are a little easier to cast,
                  | but a little less powerful. [a shining eye]
318544 | Zig:25   | HP: 7/199 [rockslime (13)]
318545 | Zig:25   | Killed themself with a badly aimed burst of rock shards (21
                  | damage)
318549 | Zig:25   | HP: 2/199 [rockslime (33)]
318550 | Zig:25   | Annihilated by a rockslime (30 damage)
318556 | Zig:25   | HP: 7/199 [cloud of thunder (8)]
318558 | Zig:25   | Engulfed by a cloud of thunder (9 damage)
318566 | Zig:25   | HP: 6/199 [cloud of thunder (8)]
318567 | Zig:25   | Killed themself with a badly aimed burst of rock shards (18
                  | damage)
318581 | Zig:25   | HP: 2/199 [cloud of thunder (9)]
318582 | Zig:25   | Slain by an acid blob (5 damage)
318586 | Zig:25   | Gained mutation: Your magical capacity is very low. (-20%
                  | MP) [a shining eye]
318588 | Zig:25   | Gained mutation: You are clumsy. (Dex -2) [a shining eye]
318590 | Zig:25   | Paralysed by a floating eye for 4 turns
318595 | Zig:25   | Mangled by an acid blob (32 damage)
318611 | Zig:25   | Paralysed by a floating eye for 2 turns
318618 | Zig:25   | Paralysed by a floating eye for 3 turns
318620 | Zig:25   | HP: 8/199 [rockslime (34)]
318620 | Zig:25   | Killed from afar by an acid blob (14 damage)
                  | ... with a splash of acid
                  | ... summoned by a glowing orange brain
                  | ... while paralysed by a floating eye
318625 | Zig:25   | Paralysed by a floating eye for 3 turns
318627 | Zig:25   | Killed from afar by an acid blob (19 damage)
                  | ... with a splash of acid
                  | ... summoned by a glowing orange brain
                  | ... while paralysed by a floating eye
318631 | Zig:25   | Gained mutation: Your magical capacity is extremely low.
                  | (-30% MP) [a shining eye]
318634 | Zig:25   | Gained mutation: Your body sometimes deteriorates upon
                  | taking damage. [a shining eye]
318872 | Zig:25   | Identified the +1 glaive "Impslayer" {spect, Int+2}
318875 | Zig:25   | Identified the staff of fire "Duothrae" {rF+ Dex+3 SInv}
318888 | Zig:25   | Identified the +0 flail "Nyecygae" {flame, rPois rN+ Int+2
                  | Dex+3}
318892 | Zig:25   | Identified the ring of Non Yly {rPois rC+ rN+ Str+3 Dex+6}
318893 | Zig:25   | Identified the staff of earth "Elaax" {rC+ Int+5}
318896 | Zig:25   | Identified the +5 falchion of Resourcefulness {flame, rC+
                  | Int+3 SInv}
318918 | Zig:25   | Identified the orb of Words of Power {*Rage, rF++ SInv}
318937 | Zig:25   | Identified the +0 plate armour of the Known World {Dex+9
                  | Slay-4}
318940 | Zig:25   | Identified the +9 shadow dragon scales of Pathos {Contam
                  | Fly Str+4 Dex+3 Stlth++++}
318961 | Zig:25   | Identified the ring "Ityoc" {rF++ AC+4 Str-5}
318974 | Zig:25   | Identified the +7 short sword of Dissent {heavy, Str+7}
318977 | Zig:26   | Entered Level 26 of a ziggurat
319007 | Zig:26   | HP: 5/199 [salamander tyrant/flame surge (28)]
319014 | Zig:26   | HP: 3/199 [nagaraja/+0 halberd (9)]
319019 | Zig:26   | HP: 6/199 [quicksilver dragon/bolt of dispelling energy
                  | (2)]
319066 | Zig:26   | HP: 7/199 [salamander tyrant/flame surge (19)]
319232 | Zig:26   | Lost mutation: You have sharp toenails. [potion of
                  | mutation]
319232 | Zig:26   | Lost mutation: You occasionally shout uncontrollably at
                  | your foes. [potion of mutation]
319233 | Zig:26   | Lost mutation: Armour fits poorly on your strangely shaped
                  | body. [potion of mutation]
319233 | Zig:26   | Lost mutation: You are strong-willed. (Will+) [potion of
                  | mutation]
319233 | Zig:26   | Gained mutation: You are partially covered in iridescent
                  | scales. (AC +2) [potion of mutation]
319233 | Zig:26   | Gained mutation: You have sharp toenails. [potion of
                  | mutation]
319233 | Zig:26   | Gained mutation: Your flesh is heat resistant. (rF+)
                  | [potion of mutation]
319234 | Zig:26   | Lost mutation: Your flesh is heat resistant. (rF+) [potion
                  | of mutation]
319234 | Zig:26   | Lost mutation: Your body sometimes deteriorates upon taking
                  | damage. [potion of mutation]
319234 | Zig:26   | Lost mutation: You have sharp toenails. [potion of
                  | mutation]
319234 | Zig:26   | Gained mutation: You possess an exceptional clarity of
                  | mind. [potion of mutation]
319235 | Zig:26   | Lost mutation: Your magical capacity is extremely low.
                  | (-30% MP) [potion of mutation]
319235 | Zig:26   | Lost mutation: Your spells are a little easier to cast, but
                  | a little less powerful. [potion of mutation]
319235 | Zig:26   | Lost mutation: You possess an exceptional clarity of mind.
                  | [potion of mutation]
319235 | Zig:26   | Gained mutation: Potions are less effective at restoring
                  | your health. [potion of mutation]
319236 | Zig:26   | Lost mutation: You are clumsy. (Dex -2) [potion of
                  | mutation]
319236 | Zig:26   | Lost mutation: Your magical capacity is very low. (-20% MP)
                  | [potion of mutation]
319236 | Zig:26   | Gained mutation: You are agile. (Dex +4, Str/Int -1)
                  | [potion of mutation]
319236 | Zig:26   | Gained mutation: You are partially covered in large bone
                  | plates. (SH +4) [potion of mutation]
319236 | Zig:26   | Gained mutation: Your mind is acute. (Int +4, Str/Dex -1)
                  | [potion of mutation]
319237 | Zig:26   | Lost mutation: You are agile. (Dex +4, Str/Int -1) [potion
                  | of mutation]
319237 | Zig:26   | Lost mutation: Your natural rate of healing is unusually
                  | fast. [potion of mutation]
319237 | Zig:26   | Gained mutation: You are robust. (+10% HP) [potion of
                  | mutation]
319238 | Zig:26   | Lost mutation: You are robust. (+10% HP) [potion of
                  | mutation]
319238 | Zig:26   | Lost mutation: Your mind is acute. (Int +4, Str/Dex -1)
                  | [potion of mutation]
319238 | Zig:26   | Gained mutation: You are agile. (Dex +4, Str/Int -1)
                  | [potion of mutation]
319238 | Zig:26   | Gained mutation: You are mostly covered in iridescent
                  | scales. (AC +4) [potion of mutation]
319238 | Zig:26   | Gained mutation: You are very agile. (Dex +8, Str/Int -2)
                  | [potion of mutation]
319319 | Zig:26   | Identified the ring of Rarrosk {rPois Str-4 Int+6 Stlth+}
319323 | Zig:26   | Identified the +4 chain mail "Baurgh" {rF+++ Will+ Int-5
                  | Dex+3}
319328 | Zig:26   | Identified the +4 mace of Amortisation {venom, rC+}
319337 | Zig:26   | Identified the +6 short sword of the Unstoppable Youths
                  | {drain, Int+5 Dex+2}
319346 | Zig:26   | Identified the +12 shortbow "Hownudgh" {antimagic, rElec}
319363 | Zig:26   | Identified the staff of death "Seguzuk" {rN+ Stlth+}
319365 | Zig:26   | Identified the +7 short sword of Fortitude {flame, Int+2}
319373 | Zig:27   | Entered Level 27 of a ziggurat
319373 | Zig:27   | Noticed a juggernaut
319373 | Zig:27   | Noticed a juggernaut
319373 | Zig:27   | Noticed a juggernaut
319373 | Zig:27   | Noticed a juggernaut
319373 | Zig:27   | Noticed a juggernaut
319373 | Zig:27   | Noticed a juggernaut
319373 | Zig:27   | Noticed a juggernaut
319373 | Zig:27   | Noticed a juggernaut
319373 | Zig:27   | Noticed a juggernaut
319373 | Zig:27   | Noticed a juggernaut
319373 | Zig:27   | Noticed a juggernaut
319374 | Zig:27   | Noticed a juggernaut
319374 | Zig:27   | Noticed a juggernaut
319375 | Zig:27   | Noticed a juggernaut
319375 | Zig:27   | Noticed a juggernaut
319375 | Zig:27   | Noticed a juggernaut
319375 | Zig:27   | Noticed a juggernaut
319377 | Zig:27   | Killed a juggernaut
319378 | Zig:27   | Noticed a juggernaut
319378 | Zig:27   | Noticed a juggernaut
319378 | Zig:27   | Noticed a juggernaut
319378 | Zig:27   | Noticed a juggernaut
319379 | Zig:27   | Killed a juggernaut
319379 | Zig:27   | Noticed a juggernaut
319380 | Zig:27   | Killed a juggernaut
319381 | Zig:27   | Killed a juggernaut
319381 | Zig:27   | Killed a juggernaut
319381 | Zig:27   | Killed a juggernaut
319384 | Zig:27   | Killed a juggernaut
319386 | Zig:27   | Noticed a juggernaut
319387 | Zig:27   | Noticed a juggernaut
319387 | Zig:27   | Killed a juggernaut
319387 | Zig:27   | Noticed a juggernaut
319389 | Zig:27   | Noticed a juggernaut
319389 | Zig:27   | Killed a juggernaut
319389 | Zig:27   | Killed a juggernaut
319390 | Zig:27   | Killed a juggernaut
319390 | Zig:27   | Killed a juggernaut
319390 | Zig:27   | Killed a juggernaut
319390 | Zig:27   | Killed a juggernaut
319393 | Zig:27   | Killed a juggernaut
319395 | Zig:27   | Killed a juggernaut
319395 | Zig:27   | Noticed a juggernaut
319396 | Zig:27   | Killed a juggernaut
319397 | Zig:27   | Noticed a juggernaut
319397 | Zig:27   | Killed a juggernaut
319398 | Zig:27   | Noticed a juggernaut
319398 | Zig:27   | Noticed a juggernaut
319398 | Zig:27   | Noticed a juggernaut
319399 | Zig:27   | Killed a juggernaut
319400 | Zig:27   | Killed a juggernaut
319400 | Zig:27   | Killed a juggernaut
319400 | Zig:27   | Noticed a juggernaut
319400 | Zig:27   | Noticed a juggernaut
319401 | Zig:27   | Noticed a juggernaut
319402 | Zig:27   | Noticed a juggernaut
319402 | Zig:27   | Killed a juggernaut
319402 | Zig:27   | Noticed a juggernaut
319402 | Zig:27   | Noticed a juggernaut
319402 | Zig:27   | Noticed a juggernaut
319403 | Zig:27   | Annihilated by a juggernaut (72 damage)
319404 | Zig:27   | Killed a juggernaut
319409 | Zig:27   | Noticed a juggernaut
319409 | Zig:27   | Noticed a juggernaut
319412 | Zig:27   | Killed a juggernaut
319412 | Zig:27   | Killed a juggernaut
319415 | Zig:27   | Demolished by a juggernaut (51 damage)
319416 | Zig:27   | Noticed a juggernaut
319417 | Zig:27   | Noticed a juggernaut
319417 | Zig:27   | Killed a juggernaut
319418 | Zig:27   | Killed a juggernaut
319418 | Zig:27   | Killed a juggernaut
319418 | Zig:27   | Noticed a juggernaut
319419 | Zig:27   | Noticed a juggernaut
319419 | Zig:27   | Noticed a juggernaut
319419 | Zig:27   | Noticed a juggernaut
319424 | Zig:27   | Noticed a juggernaut
319425 | Zig:27   | Noticed a juggernaut
319426 | Zig:27   | Noticed a juggernaut
319426 | Zig:27   | Noticed a juggernaut
319426 | Zig:27   | Noticed a juggernaut
319427 | Zig:27   | Noticed a juggernaut
319427 | Zig:27   | Noticed a juggernaut
319427 | Zig:27   | Noticed a juggernaut
319428 | Zig:27   | Killed a juggernaut
319428 | Zig:27   | Noticed a juggernaut
319429 | Zig:27   | Killed a juggernaut
319430 | Zig:27   | Noticed a juggernaut
319431 | Zig:27   | Killed a juggernaut
319431 | Zig:27   | Killed a juggernaut
319431 | Zig:27   | Killed a juggernaut
319431 | Zig:27   | Noticed a juggernaut
319432 | Zig:27   | Killed a juggernaut
319432 | Zig:27   | Killed a juggernaut
319433 | Zig:27   | Killed a juggernaut
319433 | Zig:27   | Demolished by a juggernaut (29 damage)
319433 | Zig:27   | Killed a juggernaut
319433 | Zig:27   | Killed a juggernaut
319434 | Zig:27   | Killed a juggernaut
319434 | Zig:27   | Killed a juggernaut
319435 | Zig:27   | Killed a juggernaut
319435 | Zig:27   | Killed a juggernaut
319436 | Zig:27   | Killed a juggernaut
319437 | Zig:27   | Killed a juggernaut
319438 | Zig:27   | Killed a juggernaut
319438 | Zig:27   | Noticed a juggernaut
319438 | Zig:27   | Noticed a juggernaut
319438 | Zig:27   | Noticed a juggernaut
319438 | Zig:27   | Noticed a juggernaut
319439 | Zig:27   | Killed a juggernaut
319439 | Zig:27   | Killed a juggernaut
319439 | Zig:27   | Killed a juggernaut
319440 | Zig:27   | Noticed a juggernaut
319442 | Zig:27   | Killed a juggernaut
319443 | Zig:27   | Killed a juggernaut
319443 | Zig:27   | Killed a juggernaut
319443 | Zig:27   | Killed a juggernaut
319444 | Zig:27   | Killed a juggernaut
319445 | Zig:27   | Killed a juggernaut
319445 | Zig:27   | Noticed a juggernaut
319446 | Zig:27   | Killed a juggernaut
319446 | Zig:27   | Noticed a juggernaut
319447 | Zig:27   | Killed a juggernaut
319448 | Zig:27   | Killed a juggernaut
319448 | Zig:27   | Noticed a juggernaut
319449 | Zig:27   | Killed a juggernaut
319450 | Zig:27   | Killed a juggernaut
319452 | Zig:27   | Killed a juggernaut
319452 | Zig:27   | Killed a juggernaut
319452 | Zig:27   | Killed a juggernaut
319452 | Zig:27   | Noticed a juggernaut
319454 | Zig:27   | Killed a juggernaut
319455 | Zig:27   | Noticed a juggernaut
319455 | Zig:27   | Noticed a juggernaut
319455 | Zig:27   | Noticed a juggernaut
319456 | Zig:27   | Noticed a juggernaut
319456 | Zig:27   | Noticed a juggernaut
319456 | Zig:27   | Noticed a juggernaut
319456 | Zig:27   | Killed a juggernaut
319456 | Zig:27   | Noticed a juggernaut
319458 | Zig:27   | Killed a juggernaut
319460 | Zig:27   | Noticed a juggernaut
319460 | Zig:27   | Noticed a juggernaut
319462 | Zig:27   | HP: 9/199 [juggernaut (4)]
319462 | Zig:27   | Killed a juggernaut
319463 | Zig:27   | Killed by divine providence
                  | ... invoked by an orc high priest
                  | (13 damage)
319466 | Zig:27   | Killed a juggernaut
319467 | Zig:27   | Killed a juggernaut
319471 | Zig:27   | Killed a juggernaut
319472 | Zig:27   | Killed a juggernaut
319474 | Zig:27   | Killed a juggernaut
319474 | Zig:27   | Killed a juggernaut
319477 | Zig:27   | Killed a juggernaut
319480 | Zig:27   | Killed a juggernaut
319487 | Zig:27   | HP: 4/199 [orc high priest/divine providence (11)]
319488 | Zig:27   | Killed by divine providence
                  | ... invoked by an orc high priest
                  | (16 damage)
319498 | Zig:27   | Killed a juggernaut
319510 | Zig:27   | HP: 2/199 [orc high priest/divine providence (11)]
319512 | Zig:27   | Killed by divine providence
                  | ... invoked by an orc high priest
                  | (8 damage)
319519 | Zig:27   | Noticed a juggernaut
319528 | Zig:27   | Killed a juggernaut
319529 | Zig:27   | HP: 9/199 [orc high priest/divine providence (8)]
319529 | Zig:27   | Annihilated by a stone giant (33 damage)
319687 | Zig:27   | Identified the amulet of Pyromania {Spirit rF+ Will+++}
319706 | Zig:27   | Identified the +0 leather armour "Ikhlafek" {Rampage rF+
                  | Will+ Stlth+}
319712 | Zig:27   | Identified the +0 chain mail of Zuylogrue {rPois Str+3}
319717 | Zig:27   | Identified the +1 robe "Woaschoe" {Int+2}
319721 | Zig:27   | Identified the +1 glaive "Ryplun" {freeze, +Blink rCorr
                  | Dex-5}
319727 | Zig:27   | Identified the +5 short sword of Pidicum {pain, rF- rC++
                  | Dex+3}
319744 | Zig:27   | Identified the +10 plate armour "Dorext" {Rampage}
319775 | Zig:27   | Identified the staff of fire "Engaim" {rElec rF+}
319776 | Zig:27   | Identified the +9 flail of the Final Decision {drain,
                  | Dex+2}
319980 | Pan      | Entered Pandemonium
319980 | Pan      | Found an exit through the horrors of the Abyss.
320227 | Pan      | Noticed Ihelavoudgh the pandemonium lord
320232 | Pan      | Killed Ihelavoudgh the pandemonium lord
320683 | Pan      | Lost mutation: Your magical capacity is low. (-10% MP)
                  | [potion of mutation]
320683 | Pan      | Lost mutation: You are mostly covered in iridescent scales.
                  | (AC +4) [potion of mutation]
320683 | Pan      | Gained mutation: You have hidden genetic defects. [potion
                  | of mutation]
320683 | Pan      | Gained mutation: You are weak. (Str -2) [potion of
                  | mutation]
320684 | Pan      | Lost mutation: You are weak. (Str -2) [potion of mutation]
320684 | Pan      | Lost mutation: You are partially covered in large bone
                  | plates. (SH +4) [potion of mutation]
320684 | Pan      | Lost mutation: You are very agile. (Dex +8, Str/Int -2)
                  | [potion of mutation]
320684 | Pan      | Gained mutation: You are dopey. (Int -2) [potion of
                  | mutation]
320684 | Pan      | Gained mutation: You possess an exceptional clarity of
                  | mind. [potion of mutation]
320685 | Pan      | Lost mutation: You are partially covered in iridescent
                  | scales. (AC +2) [potion of mutation]
320685 | Pan      | Lost mutation: You are dopey. (Int -2) [potion of mutation]
320685 | Pan      | Gained mutation: Your spells are a little harder to cast,
                  | but a little more powerful. [potion of mutation]
320686 | Pan      | Lost mutation: You are agile. (Dex +4, Str/Int -1) [potion
                  | of mutation]
320686 | Pan      | Lost mutation: Your spells are a little harder to cast, but
                  | a little more powerful. [potion of mutation]
320686 | Pan      | Gained mutation: You have an increased reservoir of magic.
                  | (+10% MP) [potion of mutation]
320687 | Pan      | Lost mutation: You have hidden genetic defects. [potion of
                  | mutation]
320687 | Pan      | Lost mutation: You have an increased reservoir of magic.
                  | (+10% MP) [potion of mutation]
320687 | Pan      | Lost mutation: Potions are less effective at restoring your
                  | health. [potion of mutation]
320687 | Pan      | Gained mutation: You are somewhat resistant to further
                  | mutation. [potion of mutation]
320688 | Pan      | Lost mutation: You are somewhat resistant to further
                  | mutation. [potion of mutation]
320688 | Pan      | Lost mutation: You possess an exceptional clarity of mind.
                  | [potion of mutation]
320688 | Pan      | Gained mutation: You have large cloven feet. [potion of
                  | mutation]
320689 | Pan      | Lost mutation: You have large cloven feet. [potion of
                  | mutation]
320689 | Pan      | Gained mutation: You are vulnerable to cold. (rC-) [potion
                  | of mutation]
320690 | Pan      | Lost mutation: You are vulnerable to cold. (rC-) [potion of
                  | mutation]
320690 | Pan      | Gained mutation: Your body sometimes deteriorates upon
                  | taking damage. [potion of mutation]
320691 | Pan      | Lost mutation: Your body sometimes deteriorates upon taking
                  | damage. [potion of mutation]
320691 | Pan      | Gained mutation: You occasionally shout uncontrollably at
                  | your foes. [potion of mutation]
320691 | Pan      | Gained mutation: You do not regenerate when monsters are
                  | visible. [potion of mutation]
320691 | Pan      | Gained mutation: You are agile. (Dex +4, Str/Int -1)
                  | [potion of mutation]
320692 | Pan      | Lost mutation: You occasionally shout uncontrollably at
                  | your foes. [potion of mutation]
320692 | Pan      | Lost mutation: You are agile. (Dex +4, Str/Int -1) [potion
                  | of mutation]
320692 | Pan      | Gained mutation: You have supernaturally acute eyesight.
                  | (SInv) [potion of mutation]
320692 | Pan      | Gained mutation: You are robust. (+10% HP) [potion of
                  | mutation]
320692 | Pan      | Gained mutation: You are agile. (Dex +4, Str/Int -1)
                  | [potion of mutation]
320790 | Pan      | Took an exit into the Abyss.
320790 | Abyss:5  | Escaped into the Abyss
320802 | Abyss:5  | Found an ornate altar of the Wu Jian Council.
320918 | Abyss:5  | Killed Mosumuits the pandemonium lord
320975 | Abyss:5  | Found an ornate altar of the Wu Jian Council.
321030 | Abyss:5  | Found a corrupted altar of Lugonu.
321074 | Abyss:5  | HP: 6/218 [starcursed mass/accursed screaming (5)]
321075 | Abyss:5  | HP: 1/218 [starcursed mass/accursed screaming (5)]
321078 | Abyss:5  | Killed from afar by a starcursed mass (7 damage)
                  | ... with an accursed screaming
321116 | Depths:2 | Escaped the Abyss
321333 | Pan      | Entered Pandemonium
321343 | Pan      | Found an exit through the horrors of the Abyss.
321356 | Pan      | Took an exit into the Abyss.
321356 | Abyss:5  | Escaped into the Abyss
321508 | Abyss:5  | Lost mutation: You are robust. (+10% HP) [a neqoxec]
321564 | Abyss:6  | Found a corrupted altar of Lugonu.
321570 | Abyss:6  | Slain by a tentacled starspawn (13 damage)
321586 | Abyss:6  | Gained mutation: You are weak. (Str -2) [a neqoxec]
321699 | Abyss:6  | HP: 8/199 [raiju/living lightning (6)]
321705 | Abyss:6  | HP: 7/199 [thrashing horror (1)]
321712 | Abyss:6  | Slain by a thrashing horror (7 damage)
                  | ... summoned by a glowing orange brain
321717 | Abyss:6  | Paralysed by accursed screaming for 2 turns
321726 | Depths:2 | Escaped the Abyss
321844 | Depths:2 | Lost mutation: You are weak. (Str -2) [potion of mutation]
321844 | Depths:2 | Lost mutation: You are agile. (Dex +4, Str/Int -1) [potion
                  | of mutation]
321844 | Depths:2 | Gained mutation: You are clumsy. (Dex -2) [potion of
                  | mutation]
321844 | Depths:2 | Gained mutation: You are strong-willed. (Will+) [potion of
                  | mutation]
321845 | Depths:2 | Lost mutation: You have supernaturally acute eyesight.
                  | (SInv) [potion of mutation]
321845 | Depths:2 | Lost mutation: You are clumsy. (Dex -2) [potion of
                  | mutation]
321845 | Depths:2 | Gained mutation: You are covered in fur. (AC +1) [potion of
                  | mutation]
321845 | Depths:2 | Gained mutation: You are clumsy. (Dex -2) [potion of
                  | mutation]
321845 | Depths:2 | Gained mutation: You are partially covered in iridescent
                  | scales. (AC +2) [potion of mutation]
321846 | Depths:2 | Lost mutation: You are covered in fur. (AC +1) [potion of
                  | mutation]
321846 | Depths:2 | Lost mutation: You are clumsy. (Dex -2) [potion of
                  | mutation]
321846 | Depths:2 | Gained mutation: Your body sometimes deteriorates upon
                  | taking damage. [potion of mutation]
321847 | Depths:2 | Lost mutation: You are strong-willed. (Will+) [potion of
                  | mutation]
321847 | Depths:2 | Lost mutation: Your body sometimes deteriorates upon taking
                  | damage. [potion of mutation]
321847 | Depths:2 | Lost mutation: You do not regenerate when monsters are
                  | visible. [potion of mutation]
321847 | Depths:2 | Gained mutation: You expend magic power (3 MP) to
                  | strengthen your wands. [potion of mutation]
321847 | Depths:2 | Gained mutation: You are mostly covered in iridescent
                  | scales. (AC +4) [potion of mutation]
321848 | Depths:2 | Lost mutation: You are mostly covered in iridescent scales.
                  | (AC +4) [potion of mutation]
321848 | Depths:2 | Lost mutation: You are partially covered in iridescent
                  | scales. (AC +2) [potion of mutation]
321848 | Depths:2 | Gained mutation: You possess an exceptional clarity of
                  | mind. [potion of mutation]
321848 | Depths:2 | Lost mutation: You expend magic power (3 MP) to strengthen
                  | your wands. [potion of mutation]
321848 | Depths:2 | Gained mutation: You have sharp toenails. [potion of
                  | mutation]
321848 | Depths:2 | Gained mutation: You have razor-sharp toenails. [potion of
                  | mutation]
321849 | Depths:2 | Lost mutation: You possess an exceptional clarity of mind.
                  | [potion of mutation]
321849 | Depths:2 | Lost mutation: You have razor-sharp toenails. [potion of
                  | mutation]
321849 | Depths:2 | Lost mutation: You have sharp toenails. [potion of
                  | mutation]
321849 | Depths:2 | Gained mutation: You have hidden genetic defects. [potion
                  | of mutation]
321850 | Depths:2 | Lost mutation: You have hidden genetic defects. [potion of
                  | mutation]
321850 | Depths:2 | Gained mutation: You are strong-willed. (Will+) [potion of
                  | mutation]
321850 | Depths:2 | Lost mutation: You are strong-willed. (Will+) [potion of
                  | mutation]
321851 | Depths:2 | Gained mutation: Your body sometimes deteriorates upon
                  | taking damage. [potion of mutation]
321851 | Depths:2 | Gained mutation: Your muscles are strong. (Str +4, Int/Dex
                  | -1) [potion of mutation]
321851 | Depths:2 | Gained mutation: You have sharp toenails. [potion of
                  | mutation]
321852 | Depths:2 | Lost mutation: You have sharp toenails. [potion of
                  | mutation]
321852 | Depths:2 | Lost mutation: Your muscles are strong. (Str +4, Int/Dex
                  | -1) [potion of mutation]
321852 | Depths:2 | Lost mutation: Your body sometimes deteriorates upon taking
                  | damage. [potion of mutation]
321852 | Depths:2 | Gained mutation: Potions are less effective at restoring
                  | your health. [potion of mutation]
321852 | Depths:2 | Gained mutation: Your muscles are strong. (Str +4, Int/Dex
                  | -1) [potion of mutation]
321853 | Depths:2 | Lost mutation: Potions are less effective at restoring your
                  | health. [potion of mutation]
321853 | Depths:2 | Lost mutation: Your muscles are strong. (Str +4, Int/Dex
                  | -1) [potion of mutation]
321853 | Depths:2 | Gained mutation: Your muscles are strong. (Str +4, Int/Dex
                  | -1) [potion of mutation]
321853 | Depths:2 | Gained mutation: Your flesh is cold resistant. (rC+)
                  | [potion of mutation]
321854 | Depths:2 | Lost mutation: Your muscles are strong. (Str +4, Int/Dex
                  | -1) [potion of mutation]
321854 | Depths:2 | Lost mutation: Your flesh is cold resistant. (rC+) [potion
                  | of mutation]
321854 | Depths:2 | Gained mutation: You have a pair of small horns on your
                  | head. [potion of mutation]
321855 | Depths:2 | Lost mutation: You have a pair of small horns on your head.
                  | [potion of mutation]
321855 | Depths:2 | Gained mutation: You are frail. (-10% HP) [potion of
                  | mutation]
321855 | Depths:2 | Gained mutation: You are very frail. (-20% HP) [potion of
                  | mutation]
321855 | Depths:2 | Gained mutation: You have a pair of small antennae on your
                  | head. [potion of mutation]
321856 | Depths:2 | Lost mutation: You have a pair of small antennae on your
                  | head. [potion of mutation]
321856 | Depths:2 | Lost mutation: You are very frail. (-20% HP) [potion of
                  | mutation]
321856 | Depths:2 | Gained mutation: Your spells are a little harder to cast,
                  | but a little more powerful. [potion of mutation]
321857 | Depths:2 | Lost mutation: Your spells are a little harder to cast, but
                  | a little more powerful. [potion of mutation]
321857 | Depths:2 | Lost mutation: You are frail. (-10% HP) [potion of
                  | mutation]
321857 | Depths:2 | Gained mutation: You have supernaturally acute eyesight.
                  | (SInv) [potion of mutation]
321858 | Depths:2 | Lost mutation: You have supernaturally acute eyesight.
                  | (SInv) [potion of mutation]
321858 | Depths:2 | Gained mutation: Your flesh is cold resistant. (rC+)
                  | [potion of mutation]
321858 | Depths:2 | Gained mutation: You have large cloven feet. [potion of
                  | mutation]
321858 | Depths:2 | Gained mutation: Your muscles are strong. (Str +4, Int/Dex
                  | -1) [potion of mutation]
321859 | Depths:2 | Lost mutation: You have large cloven feet. [potion of
                  | mutation]
321859 | Depths:2 | Lost mutation: Your muscles are strong. (Str +4, Int/Dex
                  | -1) [potion of mutation]
321859 | Depths:2 | Gained mutation: Your spells are a little harder to cast,
                  | but a little more powerful. [potion of mutation]
321859 | Depths:2 | Gained mutation: You have sharp toenails. [potion of
                  | mutation]
321859 | Depths:2 | Gained mutation: You are weak. (Str -2) [potion of
                  | mutation]
321860 | Depths:2 | Lost mutation: Your spells are a little harder to cast, but
                  | a little more powerful. [potion of mutation]
321860 | Depths:2 | Lost mutation: Your flesh is cold resistant. (rC+) [potion
                  | of mutation]
321860 | Depths:2 | Lost mutation: You have sharp toenails. [potion of
                  | mutation]
321860 | Depths:2 | Gained mutation: You have supernaturally acute eyesight.
                  | (SInv) [potion of mutation]
321860 | Depths:2 | Gained mutation: You passively map a small area around you.
                  | [potion of mutation]
321861 | Depths:2 | Lost mutation: You passively map a small area around you.
                  | [potion of mutation]
321861 | Depths:2 | Lost mutation: You have supernaturally acute eyesight.
                  | (SInv) [potion of mutation]
321861 | Depths:2 | Gained mutation: Armour fits poorly on your strangely
                  | shaped body. [potion of mutation]
321861 | Depths:2 | Gained mutation: You are covered in fur. (AC +1) [potion of
                  | mutation]
321862 | Depths:2 | Lost mutation: You are weak. (Str -2) [potion of mutation]
321862 | Depths:2 | Lost mutation: You are covered in fur. (AC +1) [potion of
                  | mutation]
321862 | Depths:2 | Gained mutation: You possess an exceptional clarity of
                  | mind. [potion of mutation]
321863 | Depths:2 | Lost mutation: You possess an exceptional clarity of mind.
                  | [potion of mutation]
321863 | Depths:2 | Lost mutation: Armour fits poorly on your strangely shaped
                  | body. [potion of mutation]
321863 | Depths:2 | Gained mutation: You are somewhat resistant to further
                  | mutation. [potion of mutation]
322184 | Depths:2 | Found a shimmering altar of Xom.
322514 | Pan      | Entered Pandemonium
322848 | Pan      | Found an exit through the horrors of the Abyss.
322906 | Pan      | Took an exit into the Abyss.
322906 | Abyss:6  | Escaped into the Abyss
322958 | Abyss:6  | Killed from afar by a hell hog (39 damage)
                  | ... with a fireball
322970 | Abyss:6  | Noticed a dread lich
323038 | Abyss:6  | Found a corrupted altar of Lugonu.
323053 | Depths:2 | Escaped the Abyss
324028 | Trove    | Entered a treasure trove
324030 | Trove    | Identified the -2 kite shield of Grottiness {rF+ rC+
                  | Slay+3}
324031 | Trove    | Gained mutation: You cannot be stealthy. [Ru sacrifice]
324034 | Trove    | Identified the amulet "Vano" {Faith rElec rPois SInv}
324036 | Trove    | Identified the amulet "Kuuxe" {Spirit rC+ Str+2 Int+3}
324052 | Trove    | Identified the ring of Vegorr {Int+6 SInv}
324063 | Trove    | Identified the ring "Kewi" {rPois rCorr}
324074 | Trove    | Identified the ring "Irhankuj" {Ice Drain rPois Str+3
                  | Slay+3}
324086 | Trove    | Identified the ring of the Cricket {rF+ rN+}
324090 | Trove    | Identified the ring of Darkness {Wiz MP+9}
325683 | Zig:1    | Entered Level 1 of a ziggurat
325698 | Zig:1    | HP: 9/199 [acid blob/splash of acid (11)]
325738 | Zig:2    | Entered Level 2 of a ziggurat
325738 | Zig:2    | Noticed a dread lich
325739 | Zig:2    | HP: 6/199 [revenant (12)]
325742 | Zig:2    | HP: 1/199 [profane servitor/+2 whip (4)]
325743 | Zig:2    | Slain by a profane servitor
                  | ... wielding a +2 whip
                  | (5 damage)
325745 | Zig:2    | Killed a dread lich
325756 | Zig:2    | Slain by a revenant (16 damage)
326324 | Zig:3    | Entered Level 3 of a ziggurat
326393 | Zig:3    | Identified the +3 chain mail "Pivogg" {Int+2 Dex+4}
326414 | Zig:3    | Identified the +6 plate armour "Misufix" {Rampage rC- Str-3
                  | Int+7}
326420 | Zig:4    | Entered Level 4 of a ziggurat
326441 | Zig:4    | Gained mutation: You have somewhat slow reflexes. (EV -5)
                  | [Ru sacrifice]
326764 | Zig:5    | Entered Level 5 of a ziggurat
326764 | Zig:5    | Noticed a dread lich
326764 | Zig:5    | Noticed a dread lich
326764 | Zig:5    | Noticed a dread lich
326764 | Zig:5    | Noticed a dread lich
326770 | Zig:5    | Killed a dread lich
326773 | Zig:5    | Killed a dread lich
326776 | Zig:5    | Killed a dread lich
326778 | Zig:5    | Killed a dread lich
326778 | Zig:5    | HP: 7/199 [profane servitor/+2 whip of venom (3)]
326779 | Zig:5    | Engulfed by a cloud of thunder (7 damage)
326793 | Zig:5    | HP: 6/199 [cloud of thunder (5)]
326795 | Zig:5    | HP: 1/199 [cloud of thunder (3)]
326795 | Zig:5    | Mangled by a bone dragon (12 damage)
326820 | Zig:5    | Killed from afar by an ancient champion (19 damage)
                  | ... with an iron shot
327038 | Zig:5    | Identified the staff of earth "Zusoubef" {*Slow rF+ Int+2}
327039 | Zig:5    | Identified the amulet of Lust {Spirit rElec rPois rC-}
327059 | Zig:5    | Identified the ring "Haittim" {Wiz rC+ Str+4}
327086 | Zig:6    | Entered Level 6 of a ziggurat
327086 | Zig:6    | Noticed Isynweh the pandemonium lord
327086 | Zig:6    | Noticed Icvun the pandemonium lord
327086 | Zig:6    | Noticed Cacw the pandemonium lord
327086 | Zig:6    | Noticed Yjir the pandemonium lord
327086 | Zig:6    | Noticed Niyzen the pandemonium lord
327086 | Zig:6    | Noticed Plog the pandemonium lord
327086 | Zig:6    | Noticed Citz the pandemonium lord
327086 | Zig:6    | Noticed Lir Xel the pandemonium lord
327086 | Zig:6    | Noticed Jikupn the pandemonium lord
327086 | Zig:6    | Noticed Voluifed the pandemonium lord
327086 | Zig:6    | Noticed Doaxuem the pandemonium lord
327086 | Zig:6    | Noticed Aweel the pandemonium lord
327086 | Zig:6    | Noticed Etruiniy the pandemonium lord
327086 | Zig:6    | Noticed Pitaps the pandemonium lord
327086 | Zig:6    | Noticed Miufogh the pandemonium lord
327086 | Zig:6    | Noticed Zuix the pandemonium lord
327086 | Zig:6    | Noticed Vacerph the pandemonium lord
327086 | Zig:6    | Noticed Aghetikh the pandemonium lord
327086 | Zig:6    | Noticed Coczomn the pandemonium lord
327086 | Zig:6    | Noticed Lavalaf the pandemonium lord
327086 | Zig:6    | Noticed Vopolarph the pandemonium lord
327086 | Zig:6    | Noticed Imueblut the pandemonium lord
327086 | Zig:6    | Noticed Kaoxkuda the pandemonium lord
327086 | Zig:6    | Noticed Sosem the pandemonium lord
327087 | Zig:6    | Noticed Koly the pandemonium lord
327088 | Zig:6    | Noticed Pyop the pandemonium lord
327088 | Zig:6    | Noticed Woulateimne the pandemonium lord
327090 | Zig:6    | Noticed Suehuoss the pandemonium lord
327091 | Zig:6    | Noticed Ykitil the pandemonium lord
327092 | Zig:6    | Noticed Jysaivud the pandemonium lord
327092 | Zig:6    | Killed Pitaps the pandemonium lord
327092 | Zig:6    | Killed Sosem the pandemonium lord
327092 | Zig:6    | Noticed Lepuevo the pandemonium lord
327093 | Zig:6    | Noticed Apitet the pandemonium lord
327093 | Zig:6    | Killed Zuix the pandemonium lord
327093 | Zig:6    | Killed from afar by Coczomn the pandemonium lord (36
                  | damage)
                  | ... with an arc of chain lightning
327093 | Zig:6    | Killed Kaoxkuda the pandemonium lord
327093 | Zig:6    | Killed Cacw the pandemonium lord
327094 | Zig:6    | Noticed Hyist the pandemonium lord
327094 | Zig:6    | Noticed Cocvoc the pandemonium lord
327094 | Zig:6    | Killed Vacerph the pandemonium lord
327094 | Zig:6    | Killed Aghetikh the pandemonium lord
327094 | Zig:6    | Noticed Wufawn the pandemonium lord
327094 | Zig:6    | Noticed Noqeir the pandemonium lord
327095 | Zig:6    | Killed Imueblut the pandemonium lord
327095 | Zig:6    | Killed Etruiniy the pandemonium lord
327095 | Zig:6    | Killed Voluifed the pandemonium lord
327095 | Zig:6    | Killed Koly the pandemonium lord
327095 | Zig:6    | Killed Doaxuem the pandemonium lord
327095 | Zig:6    | Killed Citz the pandemonium lord
327095 | Zig:6    | Killed Niyzen the pandemonium lord
327096 | Zig:6    | Killed Yjir the pandemonium lord
327096 | Zig:6    | Killed Coczomn the pandemonium lord
327096 | Zig:6    | Noticed Faskiro the pandemonium lord
327096 | Zig:6    | Noticed Gehyrgh the pandemonium lord
327096 | Zig:6    | Noticed Jomiqezi the pandemonium lord
327098 | Zig:6    | Killed Jysaivud the pandemonium lord
327099 | Zig:6    | Killed from afar by Faskiro the pandemonium lord (36
                  | damage)
                  | ... with an arc of chain lightning
327099 | Zig:6    | Killed Vopolarph the pandemonium lord
327101 | Zig:6    | Paralysed by you for 2 turns
327101 | Zig:6    | Killed Aweel the pandemonium lord
327103 | Zig:6    | Killed Plog the pandemonium lord
327104 | Zig:6    | Killed Lepuevo the pandemonium lord
327106 | Zig:6    | Killed Woulateimne the pandemonium lord
327106 | Zig:6    | Killed Ykitil the pandemonium lord
327106 | Zig:6    | Killed Hyist the pandemonium lord
327106 | Zig:6    | Killed Lir Xel the pandemonium lord
327107 | Zig:6    | Killed Faskiro the pandemonium lord
327110 | Zig:6    | Killed Suehuoss the pandemonium lord
327111 | Zig:6    | Killed Wufawn the pandemonium lord
327114 | Zig:6    | Killed Cocvoc the pandemonium lord
327114 | Zig:6    | Killed Jomiqezi the pandemonium lord
327114 | Zig:6    | Killed Icvun the pandemonium lord
327117 | Zig:6    | Killed Apitet the pandemonium lord
327118 | Zig:6    | Killed Lavalaf the pandemonium lord
327119 | Zig:6    | Killed Pyop the pandemonium lord
327122 | Zig:6    | Killed Jikupn the pandemonium lord
327122 | Zig:6    | Killed Gehyrgh the pandemonium lord
327122 | Zig:6    | Killed Noqeir the pandemonium lord
327126 | Zig:6    | Killed Isynweh the pandemonium lord
327139 | Zig:6    | Killed Miufogh the pandemonium lord
327496 | Zig:6    | Identified the +1 battleaxe of the Extremes {antimagic,
                  | rPois rCorr Str+3 Dex+2}
327518 | Zig:7    | Entered Level 7 of a ziggurat
327518 | Zig:7    | Noticed an ancient lich
327518 | Zig:7    | Noticed a dread lich
327518 | Zig:7    | Noticed an ancient lich
327518 | Zig:7    | Noticed a dread lich
327518 | Zig:7    | Noticed an ancient lich
327518 | Zig:7    | Noticed a dread lich
327518 | Zig:7    | Noticed an ancient lich
327518 | Zig:7    | Noticed a dread lich
327518 | Zig:7    | Noticed a dread lich
327518 | Zig:7    | Noticed a dread lich
327518 | Zig:7    | Noticed an ancient lich
327518 | Zig:7    | Noticed an ancient lich
327518 | Zig:7    | Noticed a dread lich
327518 | Zig:7    | Noticed a dread lich
327518 | Zig:7    | Noticed an ancient lich
327518 | Zig:7    | Noticed a dread lich
327518 | Zig:7    | Noticed a dread lich
327518 | Zig:7    | Noticed a dread lich
327518 | Zig:7    | Noticed an ancient lich
327518 | Zig:7    | Noticed a dread lich
327518 | Zig:7    | Noticed an ancient lich
327518 | Zig:7    | Noticed an ancient lich
327518 | Zig:7    | Noticed a dread lich
327518 | Zig:7    | Noticed an ancient lich
327518 | Zig:7    | Noticed an ancient lich
327518 | Zig:7    | Noticed a dread lich
327520 | Zig:7    | Noticed an ancient lich
327520 | Zig:7    | Noticed a dread lich
327521 | Zig:7    | Noticed an ancient lich
327521 | Zig:7    | Noticed an ancient lich
327522 | Zig:7    | Noticed an ancient lich
327526 | Zig:7    | Killed a dread lich
327526 | Zig:7    | Killed a dread lich
327527 | Zig:7    | Killed a dread lich
327528 | Zig:7    | Killed an ancient lich
327528 | Zig:7    | Noticed an ancient lich
327529 | Zig:7    | Killed an ancient lich
327529 | Zig:7    | Killed an ancient lich
327531 | Zig:7    | Killed a dread lich
327532 | Zig:7    | Killed a dread lich
327532 | Zig:7    | Killed an ancient lich
327532 | Zig:7    | Killed from afar by an ancient lich (54 damage)
                  | ... with a crystal spear
327536 | Zig:7    | Killed an ancient lich
327536 | Zig:7    | Noticed an ancient lich
327538 | Zig:7    | Noticed an ancient lich
327539 | Zig:7    | Killed a dread lich
327539 | Zig:7    | Killed an ancient lich
327539 | Zig:7    | Killed an ancient lich
327539 | Zig:7    | Killed a dread lich
327539 | Zig:7    | Killed from afar by an ancient lich (65 damage)
                  | ... with a crystal spear
327540 | Zig:7    | Killed a dread lich
327540 | Zig:7    | Killed an ancient lich
327540 | Zig:7    | Killed an ancient lich
327540 | Zig:7    | Killed a dread lich
327540 | Zig:7    | Killed an ancient lich
327540 | Zig:7    | Killed a dread lich
327540 | Zig:7    | Noticed a dread lich
327541 | Zig:7    | Killed an ancient lich
327541 | Zig:7    | Killed an ancient lich
327541 | Zig:7    | Killed an ancient lich
327541 | Zig:7    | Noticed a dread lich
327542 | Zig:7    | Killed a dread lich
327542 | Zig:7    | Killed a dread lich
327542 | Zig:7    | Killed an ancient lich
327543 | Zig:7    | Noticed a dread lich
327543 | Zig:7    | Noticed an ancient lich
327543 | Zig:7    | Killed a dread lich
327543 | Zig:7    | Killed a dread lich
327543 | Zig:7    | Killed an ancient lich
327544 | Zig:7    | Killed a dread lich
327544 | Zig:7    | Killed from afar by an ancient lich (75 damage)
                  | ... with a crystal spear
327546 | Zig:7    | Killed an ancient lich
327546 | Zig:7    | Killed an ancient lich
327547 | Zig:7    | Killed an ancient lich
327550 | Zig:7    | Killed an ancient lich
327552 | Zig:7    | Killed a dread lich
327554 | Zig:7    | Killed an ancient lich
327555 | Zig:7    | Killed a dread lich
327559 | Zig:7    | Killed a dread lich
327562 | Zig:7    | Noticed a dread lich
327563 | Zig:7    | Noticed an ancient lich
327572 | Zig:7    | Killed an ancient lich
327573 | Zig:7    | Killed a dread lich
327968 | Zig:7    | Identified the amulet "Egep" {RegenMP Dex+4}
327981 | Zig:8    | Entered Level 8 of a ziggurat
327982 | Abyss:6  | Cast into level 6 of the Abyss (+0 war axe of distortion)
327983 | Abyss:6  | Gained mutation: You are somewhat unskilled. (-1 Apt) [Ru
                  | sacrifice]
327994 | Abyss:6  | Reached skill level 27 in Fighting
327994 | Abyss:6  | Reached skill level 27 in Short Blades
327994 | Abyss:6  | Reached skill level 27 in Long Blades
327994 | Abyss:6  | Reached skill level 27 in Axes
327994 | Abyss:6  | Reached skill level 27 in Maces & Flails
327994 | Abyss:6  | Reached skill level 27 in Polearms
327994 | Abyss:6  | Reached skill level 27 in Staves
327994 | Abyss:6  | Reached skill level 27 in Ranged Weapons
327994 | Abyss:6  | Reached skill level 27 in Throwing
327994 | Abyss:6  | Reached skill level 27 in Armour
327994 | Abyss:6  | Reached skill level 27 in Shields
327994 | Abyss:6  | Reached skill level 27 in Unarmed Combat
327994 | Abyss:6  | Reached skill level 27 in Spellcasting
327994 | Abyss:6  | Reached skill level 27 in Conjurations
327994 | Abyss:6  | Reached skill level 27 in Hexes
327994 | Abyss:6  | Reached skill level 27 in Summonings
327994 | Abyss:6  | Reached skill level 27 in Necromancy
327994 | Abyss:6  | Reached skill level 27 in Translocations
327994 | Abyss:6  | Reached skill level 27 in Transmutations
327994 | Abyss:6  | Reached skill level 27 in Fire Magic
327994 | Abyss:6  | Reached skill level 27 in Ice Magic
327994 | Abyss:6  | Reached skill level 27 in Air Magic
327994 | Abyss:6  | Reached skill level 27 in Earth Magic
327994 | Abyss:6  | Reached skill level 27 in Poison Magic
327994 | Abyss:6  | Reached skill level 27 in Invocations
327994 | Abyss:6  | Reached skill level 27 in Evocations
328013 | Abyss:6  | Noticed an ancient lich
328025 | Abyss:6  | Killed an ancient lich
328038 | Abyss:6  | Paralysed by accursed screaming for 1 turns
328044 | Abyss:6  | Paralysed by accursed screaming for 1 turns
328063 | Abyss:6  | HP: 7/199 [starcursed mass (10)]
328065 | Abyss:6  | Killed from afar by a starcursed mass (16 damage)
                  | ... with an accursed screaming
328065 | Abyss:6  | Paralysed by accursed screaming for 2 turns
328077 | Abyss:6  | Gained mutation: You are clumsy. (Dex -2) [a neqoxec]
328079 | Zig:8    | Escaped the Abyss
328080 | Zig:8    | Paralysed by an air elemental for 1 turns
328083 | Zig:8    | Paralysed by an air elemental for 1 turns
328096 | Zig:8    | HP: 8/199 [deep elf zephyrmancer/bolt of lightning (14)]
328097 | Zig:8    | Killed from afar by a deep elf zephyrmancer (11 damage)
                  | ... with a bolt of lightning
328122 | Zig:8    | Killed from afar by a deep elf pyromancer (26 damage)
                  | ... with a bolt of fire
328141 | Zig:8    | HP: 3/199 [balrug/divine providence[a deep elf
                  | demonologist] (15)]
328143 | Zig:8    | Mangled by a +0 halberd of protection (12 damage)
328202 | Zig:8    | Identified the +2 helmet of the Burnt God {rF+ Will- rCorr
                  | Int+3}
328212 | Zig:8    | Identified the +7 war axe "Ruotyil" {drain, Dex+2}
328214 | Zig:8    | Identified the ring of Anarchy {rPois Int+5 Dex+3}
328238 | Zig:8    | Identified the +0 cloak "Taothoa" {rElec Str+2}
328529 | Zig:8    | Upgraded the game from 0.31-a0-4-gefa6de2278 to
                  | 0.31-a0-18-gea43df2a32
328551 | Zig:9    | Entered Level 9 of a ziggurat
328572 | Zig:9    | Slain by a wolf spider (22 damage)
328582 | Zig:9    | Slain by a broodmother simulacrum (19 damage)
328632 | Zig:9    | HP: 8/199 [boulder beetle simulacrum (10)]
328635 | Zig:9    | Slain by a wolf spider (5 damage)
328674 | Zig:9    | Blown up by an orb spider (46 damage)
                  | ... with an orb of destruction
329010 | Zig:9    | Identified the ring "Johyhemu" {Contam rN+ Dex+2 Stlth+}
329016 | Zig:9    | Identified the staff of poison "Aninyut" {rPois rN+ Int+4}
329033 | Zig:9    | Identified the +10 scimitar of Reapportionment {freeze,
                  | Drain rPois rC+}
329036 | Zig:9    | Identified the +6 dagger "Kienke" {freeze, *Rage +Blink
                  | rPois SInv}
329054 | Zig:10   | Entered Level 10 of a ziggurat
329061 | Zig:10   | HP: 6/199 [Ice Fiend/bolt of cold (7)]
329061 | Zig:10   | Demolished by an Ice Fiend (17 damage)
329070 | Zig:10   | Killed from afar by an Ice Fiend (17 damage)
                  | ... with a bolt of cold
329080 | Zig:10   | HP: 4/199 [deep elf sorcerer/damnation[a demonspawn
                  | corrupter] (46)]
329081 | Zig:10   | Killed from afar by an Ice Fiend (13 damage)
                  | ... with a bolt of cold
329088 | Zig:10   | HP: 5/199 [Hell Sentinel (8)]
329089 | Zig:10   | Killed from afar by a Hell Sentinel (28 damage)
                  | ... with an iron shot
329095 | Zig:10   | Mangled by a Hell Sentinel (19 damage)
329102 | Zig:10   | Noticed Caid the pandemonium lord
329102 | Zig:10   | Demolished by a demonspawn warmonger
                  | ... wielding a +1 heavy glaive
                  | (39 damage)
329108 | Zig:10   | HP: 4/199 [starcursed mass/accursed screaming[a demonspawn
                  | corrupter] (10)]
329108 | Zig:10   | Mangled by a demonspawn warmonger
                  | ... wielding a +1 heavy glaive
                  | (17 damage)
329111 | Zig:10   | Killed by divine providence
                  | ... invoked by a balrug
                  | (10 damage)
329115 | Zig:10   | HP: 4/199 [Caid the pandemonium lord (18)]
329116 | Zig:10   | Slain by a Hell Sentinel (8 damage)
329119 | Zig:10   | Demolished by a Hell Sentinel (23 damage)
329122 | Zig:10   | Mangled by Caid the pandemonium lord (36 damage)
329124 | Zig:10   | Demolished by Caid the pandemonium lord (46 damage)
329128 | Zig:10   | Killed Caid the pandemonium lord
329128 | Zig:10   | Killed from afar by a hellephant (58 damage)
                  | ... with a blast of flame
329131 | Zig:10   | HP: 6/199 [hellephant/blast of flame (76)]
329132 | Zig:10   | HP: 1/199 [Hell Sentinel (6)]
329132 | Zig:10   | Mangled by a Hell Sentinel (12 damage)
329137 | Zig:10   | Slain by a Tzitzimitl (20 damage)
329139 | Zig:10   | Slain by a Tzitzimitl (23 damage)
329144 | Zig:10   | HP: 7/199 [Tzitzimitl (17)]
329144 | Zig:10   | HP: 3/199 [Tzitzimitl (4)]
329144 | Zig:10   | Mangled by a Tzitzimitl (13 damage)
329152 | Zig:10   | Killed from afar by a demonspawn blood saint (26 damage)
                  | ... with an iceblast
329156 | Zig:10   | HP: 9/199 [frost giant] (7)]
329156 | Zig:10   | Killed from afar by a war gargoyle (39 damage)
                  | ... with a spray of metal splinters
                  | ... summoned by a demonspawn corrupter
329159 | Zig:10   | HP: 1/199 [Tzitzimitl (14)]
329159 | Zig:10   | Mangled by a demonspawn corrupter
                  | ... wielding a +0 dire flail
                  | (7 damage)
329180 | Zig:10   | HP: 4/199 [smoke demon/ball of steam (9)]
329181 | Zig:10   | Engulfed by a smoke demon's steam (4 damage)
329188 | Zig:10   | Killed from afar by a Hell Sentinel (34 damage)
                  | ... with damnation
329336 | Zig:10   | Identified the amulet "Mocuih" {RegenMP rF+ Regen+}
329341 | Zig:10   | Identified the ring "Adediabe" {rElec rF+ rC+ rN+ Int-3}
329364 | Zig:10   | Identified the staff of conjuration "Yhoelemae" {+Blink
                  | Will+ SInv}
329372 | Zig:10   | Identified the +6 flail of Propriety {freeze, SInv}
329376 | Zig:10   | Identified the amulet of Camad {Acrobat Contam rElec
                  | Stlth+}
329381 | Zig:11   | Entered Level 11 of a ziggurat
329391 | Zig:11   | HP: 1/199 [iron giant/+0 giant spiked club (9)]
329392 | Zig:11   | Slain by an entropy weaver (2 damage)
329398 | Zig:11   | HP: 8/199 [stone giant (19)]
329399 | Zig:11   | Demolished by an iron golem (23 damage)
329414 | Zig:11   | Slain by an iron golem (22 damage)
329429 | Zig:11   | HP: 8/199 [iron golem (7)]
329429 | Zig:11   | Mangled by an iron golem (20 damage)
329440 | Zig:11   | Killed from afar by a Hell Sentinel (55 damage)
                  | ... with an iron shot
329448 | Zig:11   | Killed from afar by an iron giant (40 damage)
                  | ... with an iron shot
329458 | Zig:11   | Mangled by an iron golem (22 damage)
329467 | Zig:11   | Slain by a Hell Sentinel (15 damage)
329480 | Zig:11   | Slain by an iron golem (19 damage)
329504 | Zig:11   | HP: 7/199 [iron golem (20)]
329504 | Zig:11   | Mangled by an iron golem (14 damage)
329526 | Zig:11   | HP: 9/199 [iron golem (6)]
329527 | Zig:11   | Slain by an iron golem (15 damage)
329674 | Zig:11   | Identified the +10 pearl dragon scales "Simesom" {+Inv rN+
                  | Dex+5}
329688 | Zig:11   | Identified the +5 long sword "Backscratcher" {venom, rPois
                  | rC+ rCorr Str-4}
329693 | Zig:11   | Identified the +6 sling of the Floral God {flame, Str+3
                  | Stlth+}
329695 | Zig:11   | Identified the staff of conjuration "Maivazul" {rF- Will++
                  | Int+3 Stlth+}
329696 | Zig:11   | Identified the ring of the Jester {*Slow AC+4 Dex+4}
329719 | Zig:12   | Entered Level 12 of a ziggurat
329719 | Zig:12   | Noticed Duif the pandemonium lord
329719 | Zig:12   | Noticed Imigo the pandemonium lord
329719 | Zig:12   | Noticed Quroq the pandemonium lord
329719 | Zig:12   | Noticed Ugiam the pandemonium lord
329719 | Zig:12   | Noticed Cattu Ynkad the pandemonium lord
329719 | Zig:12   | Noticed Ytwoude the pandemonium lord
329719 | Zig:12   | Noticed Tustysos the pandemonium lord
329719 | Zig:12   | Noticed Vesoc the pandemonium lord
329719 | Zig:12   | Noticed Zutufeix the pandemonium lord
329719 | Zig:12   | Noticed Foluaseg the pandemonium lord
329719 | Zig:12   | Noticed Yshoubieso the pandemonium lord
329719 | Zig:12   | Noticed Sugunk the pandemonium lord
329719 | Zig:12   | Noticed Agetec the pandemonium lord
329719 | Zig:12   | Noticed Laagifopp the pandemonium lord
329719 | Zig:12   | Noticed Uxti the pandemonium lord
329719 | Zig:12   | Noticed Gotait the pandemonium lord
329719 | Zig:12   | Noticed Xederr the pandemonium lord
329719 | Zig:12   | Noticed Vamuigimn the pandemonium lord
329719 | Zig:12   | Noticed Zoamar the pandemonium lord
329719 | Zig:12   | Noticed Fuukifyf the pandemonium lord
329719 | Zig:12   | Noticed Kesheog the pandemonium lord
329719 | Zig:12   | Noticed Orefaqyqam the pandemonium lord
329719 | Zig:12   | Noticed Riutif the pandemonium lord
329719 | Zig:12   | Noticed Xyteurchyall the pandemonium lord
329719 | Zig:12   | Noticed Imufruiwn the pandemonium lord
329719 | Zig:12   | Noticed Qabech the pandemonium lord
329719 | Zig:12   | Noticed Wusuuno the pandemonium lord
329719 | Zig:12   | Noticed Waceipho the pandemonium lord
329719 | Zig:12   | Noticed Viuruore the pandemonium lord
329719 | Zig:12   | Noticed Fohuikk the pandemonium lord
329719 | Zig:12   | Noticed Wurriz the pandemonium lord
329719 | Zig:12   | Noticed Woxauhix the pandemonium lord
329719 | Zig:12   | Noticed Uxu Wuy the pandemonium lord
329719 | Zig:12   | Noticed Wasor the pandemonium lord
329719 | Zig:12   | Noticed Ucatir the pandemonium lord
329719 | Zig:12   | Noticed Nyh Gili the pandemonium lord
329719 | Zig:12   | Noticed Iquat the pandemonium lord
329719 | Zig:12   | Noticed Plog the pandemonium lord
329721 | Zig:12   | Noticed Qixukhall the pandemonium lord
329722 | Zig:12   | Noticed Illogyno the pandemonium lord
329722 | Zig:12   | Noticed Mumen the pandemonium lord
329722 | Zig:12   | Noticed Zaidgheti the pandemonium lord
329722 | Zig:12   | Noticed Uheh the pandemonium lord
329722 | Zig:12   | Noticed Ulem the pandemonium lord
329723 | Zig:12   | Noticed Xithron the pandemonium lord
329723 | Zig:12   | Noticed Oseat the pandemonium lord
329723 | Zig:12   | Noticed Baklio the pandemonium lord
329724 | Zig:12   | Noticed Nigrafor the pandemonium lord
329724 | Zig:12   | Killed Imigo the pandemonium lord
329724 | Zig:12   | Killed Uxti the pandemonium lord
329724 | Zig:12   | Killed Laagifopp the pandemonium lord
329724 | Zig:12   | Killed Xederr the pandemonium lord
329724 | Zig:12   | Killed Wasor the pandemonium lord
329724 | Zig:12   | Killed Waceipho the pandemonium lord
329724 | Zig:12   | Killed Yshoubieso the pandemonium lord
329724 | Zig:12   | Killed Ucatir the pandemonium lord
329724 | Zig:12   | Noticed Buobajef the pandemonium lord
329724 | Zig:12   | Noticed Iliwkuph the pandemonium lord
329724 | Zig:12   | Noticed Dehoreup the pandemonium lord
329724 | Zig:12   | Noticed Qomi the pandemonium lord
329725 | Zig:12   | Noticed Ogin the pandemonium lord
329725 | Zig:12   | Killed Viuruore the pandemonium lord
329725 | Zig:12   | Killed Fuukifyf the pandemonium lord
329725 | Zig:12   | Noticed Soiras the pandemonium lord
329725 | Zig:12   | Noticed Catua the pandemonium lord
329725 | Zig:12   | Noticed Gipt the pandemonium lord
329725 | Zig:12   | Noticed Reledowu the pandemonium lord
329726 | Zig:12   | Noticed Vehuthai the pandemonium lord
329726 | Zig:12   | Killed Uxu Wuy the pandemonium lord
329726 | Zig:12   | Killed Fohuikk the pandemonium lord
329726 | Zig:12   | Killed Woxauhix the pandemonium lord
329726 | Zig:12   | Noticed Haiskutsay the pandemonium lord
329726 | Zig:12   | Noticed Levin the pandemonium lord
329726 | Zig:12   | Noticed Majumicw the pandemonium lord
329726 | Zig:12   | Noticed Ciodwuo the pandemonium lord
329726 | Zig:12   | Noticed Tuvvem the pandemonium lord
329726 | Zig:12   | Noticed Puoqe the pandemonium lord
329726 | Zig:12   | Noticed Sessohee the pandemonium lord
329726 | Zig:12   | Noticed Vall the pandemonium lord
329726 | Zig:12   | Noticed Ruikor the pandemonium lord
329726 | Zig:12   | Noticed Unoiv the pandemonium lord
329727 | Zig:12   | Noticed Viunei the pandemonium lord
329727 | Zig:12   | Killed Tustysos the pandemonium lord
329727 | Zig:12   | Noticed Ebewniatt the pandemonium lord
329727 | Zig:12   | Noticed Qicsass the pandemonium lord
329728 | Zig:12   | Noticed Lidweroo the pandemonium lord
329728 | Zig:12   | Noticed Ynnuhona the pandemonium lord
329728 | Zig:12   | Noticed Ogybb the pandemonium lord
329728 | Zig:12   | Noticed Ephuxt the pandemonium lord
329728 | Zig:12   | Killed Vesoc the pandemonium lord
329729 | Zig:12   | Killed Xyteurchyall the pandemonium lord
329730 | Zig:12   | Killed Iquat the pandemonium lord
329730 | Zig:12   | Noticed Hittinku the pandemonium lord
329730 | Zig:12   | Killed Wurriz the pandemonium lord
329730 | Zig:12   | Killed Kesheog the pandemonium lord
329730 | Zig:12   | Noticed Qipneon the pandemonium lord
329730 | Zig:12   | Noticed Ilaijal the pandemonium lord
329730 | Zig:12   | Noticed Taig the pandemonium lord
329730 | Zig:12   | Noticed Besunum the pandemonium lord
329731 | Zig:12   | Killed Tuvvem the pandemonium lord
329731 | Zig:12   | Killed Haiskutsay the pandemonium lord
329731 | Zig:12   | Noticed Kawn the pandemonium lord
329731 | Zig:12   | Killed Mumen the pandemonium lord
329732 | Zig:12   | Noticed Meklely the pandemonium lord
329732 | Zig:12   | Killed Vamuigimn the pandemonium lord
329732 | Zig:12   | Killed Illogyno the pandemonium lord
329732 | Zig:12   | Killed Ugiam the pandemonium lord
329732 | Zig:12   | Killed Cattu Ynkad the pandemonium lord
329733 | Zig:12   | Killed Zutufeix the pandemonium lord
329733 | Zig:12   | Killed Gotait the pandemonium lord
329733 | Zig:12   | Killed Agetec the pandemonium lord
329734 | Zig:12   | Killed Vehuthai the pandemonium lord
329734 | Zig:12   | Killed Wusuuno the pandemonium lord
329734 | Zig:12   | Killed Ulem the pandemonium lord
329734 | Zig:12   | Killed Qabech the pandemonium lord
329734 | Zig:12   | HP: 7/199 [Foluaseg the pandemonium lord/harpoon shot (33)]
329734 | Zig:12   | Noticed Mogunes Fixe the pandemonium lord
329734 | Zig:12   | Killed Duif the pandemonium lord
329734 | Zig:12   | Killed Dehoreup the pandemonium lord
329735 | Zig:12   | Killed Foluaseg the pandemonium lord
329735 | Zig:12   | Noticed Nauwun the pandemonium lord
329735 | Zig:12   | Killed Plog the pandemonium lord
329735 | Zig:12   | Killed Nigrafor the pandemonium lord
329735 | Zig:12   | Noticed Wubral the pandemonium lord
329735 | Zig:12   | Mangled by Oseat the pandemonium lord (17 damage)
329735 | Zig:12   | Killed Ytwoude the pandemonium lord
329735 | Zig:12   | Killed Vall the pandemonium lord
329737 | Zig:12   | Noticed Lazuimp the pandemonium lord
329737 | Zig:12   | Killed Ruikor the pandemonium lord
329737 | Zig:12   | Noticed Cirit the pandemonium lord
329738 | Zig:12   | Killed Ciodwuo the pandemonium lord
329738 | Zig:12   | Killed Nyh Gili the pandemonium lord
329739 | Zig:12   | Noticed Qimuizixzu the pandemonium lord
329739 | Zig:12   | Noticed Codoj the pandemonium lord
329739 | Zig:12   | Noticed Verer the pandemonium lord
329739 | Zig:12   | Killed Sugunk the pandemonium lord
329740 | Zig:12   | Killed Ilaijal the pandemonium lord
329740 | Zig:12   | Killed Ynnuhona the pandemonium lord
329740 | Zig:12   | Killed Ebewniatt the pandemonium lord
329740 | Zig:12   | Killed Mogunes Fixe the pandemonium lord
329740 | Zig:12   | Noticed Qiagon the pandemonium lord
329740 | Zig:12   | Killed Unoiv the pandemonium lord
329740 | Zig:12   | Killed Orefaqyqam the pandemonium lord
329740 | Zig:12   | Killed Levin the pandemonium lord
329740 | Zig:12   | Killed Viunei the pandemonium lord
329740 | Zig:12   | Killed Buobajef the pandemonium lord
329740 | Zig:12   | Killed Baklio the pandemonium lord
329740 | Zig:12   | Killed Qicsass the pandemonium lord
329740 | Zig:12   | Killed Qomi the pandemonium lord
329740 | Zig:12   | Noticed Lytrotoy the pandemonium lord
329741 | Zig:12   | Killed Sessohee the pandemonium lord
329741 | Zig:12   | Killed Ephuxt the pandemonium lord
329741 | Zig:12   | Killed Gipt the pandemonium lord
329742 | Zig:12   | Killed Hittinku the pandemonium lord
329742 | Zig:12   | Noticed Koebun the pandemonium lord
329742 | Zig:12   | Noticed Fanakoph the pandemonium lord
329742 | Zig:12   | Noticed Itizel the pandemonium lord
329742 | Zig:12   | Killed Puoqe the pandemonium lord
329742 | Zig:12   | Killed Imufruiwn the pandemonium lord
329742 | Zig:12   | Killed Qixukhall the pandemonium lord
329742 | Zig:12   | Killed Soiras the pandemonium lord
329743 | Zig:12   | Killed Xithron the pandemonium lord
329743 | Zig:12   | Killed Reledowu the pandemonium lord
329743 | Zig:12   | Killed Riutif the pandemonium lord
329743 | Zig:12   | Killed Nauwun the pandemonium lord
329743 | Zig:12   | Noticed Casut the pandemonium lord
329743 | Zig:12   | Noticed Cuogu the pandemonium lord
329744 | Zig:12   | Killed Qipneon the pandemonium lord
329744 | Zig:12   | Killed Iliwkuph the pandemonium lord
329744 | Zig:12   | Killed Taig the pandemonium lord
329744 | Zig:12   | Noticed Huih the pandemonium lord
329744 | Zig:12   | Killed Ogybb the pandemonium lord
329744 | Zig:12   | Noticed Totulecs the pandemonium lord
329744 | Zig:12   | Killed Cirit the pandemonium lord
329745 | Zig:12   | Killed Besunum the pandemonium lord
329745 | Zig:12   | Killed Itizel the pandemonium lord
329745 | Zig:12   | Killed Uheh the pandemonium lord
329745 | Zig:12   | Killed Verer the pandemonium lord
329745 | Zig:12   | Killed Ogin the pandemonium lord
329745 | Zig:12   | Killed Zaidgheti the pandemonium lord
329745 | Zig:12   | Killed Fanakoph the pandemonium lord
329745 | Zig:12   | Killed Qimuizixzu the pandemonium lord
329745 | Zig:12   | HP: 9/199 [spore (9)]
329745 | Zig:12   | Killed Zoamar the pandemonium lord
329745 | Zig:12   | Noticed Yxtol the pandemonium lord
329745 | Zig:12   | Noticed Gucax the pandemonium lord
329745 | Zig:12   | Killed Catua the pandemonium lord
329746 | Zig:12   | Noticed Liphiw the pandemonium lord
329746 | Zig:12   | Annihilated by Lazuimp the pandemonium lord (47 damage)
329746 | Zig:12   | Killed Qiagon the pandemonium lord
329746 | Zig:12   | Killed Lazuimp the pandemonium lord
329747 | Zig:12   | Killed Wubral the pandemonium lord
329747 | Zig:12   | Noticed Ogupp the pandemonium lord
329748 | Zig:12   | Noticed Qaleum the pandemonium lord
329749 | Zig:12   | Killed Lytrotoy the pandemonium lord
329749 | Zig:12   | Killed Lidweroo the pandemonium lord
329751 | Zig:12   | Killed Kawn the pandemonium lord
329754 | Zig:12   | Noticed Hybb the pandemonium lord
329755 | Zig:12   | Noticed Umiobb the pandemonium lord
329755 | Abyss:6  | Cast into level 6 of the Abyss (Oseat)
329939 | Abyss:6  | HP: 9/199 [starcursed mass/accursed screaming (9)]
329939 | Abyss:6  | Paralysed by accursed screaming for 1 turns
329941 | Abyss:6  | HP: 1/199 [starcursed mass/accursed screaming (9)]
329945 | Abyss:6  | Killed from afar by a starcursed mass (9 damage)
                  | ... with an accursed screaming
330046 | Zig:12   | Escaped the Abyss
330046 | Zig:12   | HP: 3/199 [spore (13)]
330046 | Zig:12   | Incinerated by a deep elf pyromancer (4 damage)
                  | ... with a sticky flame
330046 | Zig:12   | Noticed Ivuazul the pandemonium lord
330046 | Zig:12   | Noticed Nuonufra the pandemonium lord
330046 | Zig:12   | Noticed Ylunatte the pandemonium lord
330046 | Zig:12   | Noticed Gant the pandemonium lord
330046 | Zig:12   | Noticed Vomyof the pandemonium lord
330046 | Zig:12   | Noticed Ohapouvo the pandemonium lord
330046 | Zig:12   | Noticed Leigguq the pandemonium lord
330046 | Zig:12   | Noticed Xaruybb the pandemonium lord
330046 | Zig:12   | Noticed Laururph the pandemonium lord
330046 | Zig:12   | Noticed Lyshrul the pandemonium lord
330046 | Zig:12   | Noticed Puz Yttotoa the pandemonium lord
330046 | Zig:12   | Noticed Oqonlida the pandemonium lord
330048 | Zig:12   | Noticed Rekoq the pandemonium lord
330048 | Zig:12   | Noticed Tydiqeffy the pandemonium lord
330048 | Zig:12   | Noticed Kuyrama the pandemonium lord
330048 | Zig:12   | Noticed Qorrao the pandemonium lord
330048 | Zig:12   | Noticed Ucic the pandemonium lord
330048 | Zig:12   | Noticed Caodoelu the pandemonium lord
330050 | Zig:12   | Noticed Vajog the pandemonium lord
330051 | Zig:12   | Killed Ivuazul the pandemonium lord
330051 | Zig:12   | Killed Puz Yttotoa the pandemonium lord
330052 | Zig:12   | Killed Oqonlida the pandemonium lord
330052 | Zig:12   | Killed Kuyrama the pandemonium lord
330053 | Zig:12   | Killed Laururph the pandemonium lord
330053 | Zig:12   | Killed Ohapouvo the pandemonium lord
330054 | Zig:12   | Killed Caodoelu the pandemonium lord
330054 | Zig:12   | Killed Leigguq the pandemonium lord
330054 | Zig:12   | HP: 8/199 [Ogupp the pandemonium lord (12)]
330054 | Zig:12   | Killed Ogupp the pandemonium lord
330055 | Zig:12   | Killed from afar by Casut the pandemonium lord (11 damage)
                  | ... with a living lightning
330056 | Zig:12   | Killed Lyshrul the pandemonium lord
330056 | Zig:12   | Killed Qaleum the pandemonium lord
330056 | Zig:12   | Killed Totulecs the pandemonium lord
330056 | Zig:12   | Killed Gant the pandemonium lord
330057 | Zig:12   | Killed Hybb the pandemonium lord
330057 | Zig:12   | Killed Yxtol the pandemonium lord
330058 | Zig:12   | Killed Vajog the pandemonium lord
330059 | Zig:12   | Killed Koebun the pandemonium lord
330059 | Zig:12   | HP: 7/199 [Meklely the pandemonium lord (17)]
330061 | Zig:12   | Killed Codoj the pandemonium lord
330061 | Zig:12   | Killed Meklely the pandemonium lord
330061 | Zig:12   | Killed Rekoq the pandemonium lord
330062 | Zig:12   | HP: 2/199 [sixfirhy[Huih] (3)]
330062 | Zig:12   | Killed Ylunatte the pandemonium lord
330062 | Zig:12   | Killed Tydiqeffy the pandemonium lord
330062 | Zig:12   | Killed from afar by Ucic the pandemonium lord (18 damage)
                  | ... with an arc of chain lightning
330063 | Zig:12   | Killed Huih the pandemonium lord
330064 | Zig:12   | Killed Cuogu the pandemonium lord
330065 | Zig:12   | Killed Majumicw the pandemonium lord
330066 | Abyss:6  | Found a corrupted altar of Lugonu.
330066 | Abyss:6  | Cast into level 6 of the Abyss (Oseat)
330067 | Abyss:6  | Noticed an ancient lich
330079 | Abyss:6  | Killed an ancient lich
330134 | Zig:12   | Escaped the Abyss
330138 | Zig:12   | Killed Nuonufra the pandemonium lord
330138 | Zig:12   | Slain by Xaruybb the pandemonium lord (25 damage)
330139 | Zig:12   | Killed Xaruybb the pandemonium lord
330140 | Zig:12   | Killed Ucic the pandemonium lord
330145 | Zig:12   | Killed Casut the pandemonium lord
330146 | Zig:12   | Killed Qorrao the pandemonium lord
330146 | Zig:12   | Killed Gucax the pandemonium lord
330147 | Zig:12   | Killed Umiobb the pandemonium lord
330148 | Zig:12   | Killed Oseat the pandemonium lord
330150 | Zig:12   | Killed Quroq the pandemonium lord
330158 | Zig:12   | Killed Vomyof the pandemonium lord
330166 | Zig:12   | Identified the staff of conjuration "Duun" {rF+ Dex+4 SInv}
330169 | Zig:12   | Killed Liphiw the pandemonium lord
330349 | Zig:12   | Identified the +0 helmet of the Hunter {+Inv rN++ Str+2
                  | Int-5}
330361 | Zig:12   | Identified the +11 long sword "Jukeame" {elec, SInv}
330368 | Zig:12   | Identified the +2 leather armour "Goeleaq" {Harm}
330386 | Zig:12   | Identified the ring "Pyguopir" {Fire Str+4 Int-2}
330394 | Zig:12   | Identified the staff of death "Olamiag" {+Blink rF+ rC++
                  | rN+ Stlth+}
330412 | Zig:12   | Identified the +1 robe of Barokhla {rPois rC- SInv}
330421 | Zig:13   | Entered Level 13 of a ziggurat
330424 | Zig:13   | Noticed an ancient lich
330424 | Zig:13   | HP: 8/199 [Ice Fiend/bolt of cold (10)]
330426 | Zig:13   | Paralysed by a wendigo for 1 turns
330428 | Zig:13   | Killed from afar by a blizzard demon (12 damage)
                  | ... with a bolt of cold
330436 | Zig:13   | Paralysed by a wendigo for 1 turns
330436 | Zig:13   | Killed from afar by an Ice Fiend (17 damage)
                  | ... with a bolt of cold
                  | ... while paralysed by a wendigo
330438 | Zig:13   | Killed an ancient lich
330441 | Zig:13   | HP: 6/199 [Ice Fiend/bolt of cold (11)]
330441 | Zig:13   | HP: 2/199 [Ice Fiend/bolt of cold (4)]
330442 | Zig:13   | Killed by the air
                  | ... invoked by a blizzard demon
                  | (12 damage)
330445 | Zig:13   | Noticed a dread lich
330448 | Zig:13   | HP: 2/199 [Ice Fiend/bolt of cold (8)]
330448 | Zig:13   | Killed by the air
                  | ... invoked by a blizzard demon
                  | (7 damage)
330451 | Zig:13   | Paralysed by a wendigo for 1 turns
330454 | Zig:13   | HP: 2/199 [blizzard demon/the air (15)]
330455 | Zig:13   | Mangled by a nargun (8 damage)
330459 | Zig:13   | Killed a dread lich
330468 | Zig:13   | Killed from afar by a frost giant (13 damage)
                  | ... with a bolt of cold
330630 | Zig:13   | Identified the +11 morningstar of Devotion {drain, rC++
                  | Stlth+}
330647 | Zig:13   | Identified the +4 hand axe of the Apocalypse {heavy, rF+}
330674 | Zig:13   | Identified the +3 scale mail of Tenacity {rC+ Will+}
330707 | Zig:13   | Identified the +0 rapier of Sofuo {venom, rPois Str+2 Int-5
                  | Dex+2}
330717 | Zig:14   | Entered Level 14 of a ziggurat
330717 | Zig:14   | Noticed a dread lich
330717 | Zig:14   | Noticed a dread lich
330717 | Zig:14   | Noticed a dread lich
330717 | Zig:14   | Noticed a dread lich
330717 | Zig:14   | Noticed an ancient lich
330717 | Zig:14   | Noticed an ancient lich
330717 | Zig:14   | Noticed a dread lich
330717 | Zig:14   | Noticed a dread lich
330717 | Zig:14   | Noticed an ancient lich
330717 | Zig:14   | Noticed a dread lich
330717 | Zig:14   | Noticed a dread lich
330717 | Zig:14   | Noticed an ancient lich
330717 | Zig:14   | Noticed an ancient lich
330717 | Zig:14   | Noticed a dread lich
330718 | Zig:14   | Noticed an ancient lich
330718 | Zig:14   | Noticed an ancient lich
330718 | Zig:14   | Noticed a dread lich
330718 | Zig:14   | Noticed a dread lich
330718 | Zig:14   | Noticed an ancient lich
330725 | Zig:14   | Killed a dread lich
330725 | Zig:14   | Killed a dread lich
330726 | Zig:14   | Killed an ancient lich
330726 | Zig:14   | Killed a dread lich
330726 | Zig:14   | Killed a dread lich
330726 | Zig:14   | Killed an ancient lich
330726 | Zig:14   | Killed an ancient lich
330726 | Zig:14   | Killed a dread lich
330726 | Zig:14   | Killed an ancient lich
330727 | Zig:14   | Killed a dread lich
330727 | Zig:14   | Killed an ancient lich
330727 | Zig:14   | Killed an ancient lich
330728 | Zig:14   | Killed a dread lich
330728 | Zig:14   | Killed a dread lich
330729 | Zig:14   | Killed a dread lich
330729 | Zig:14   | Noticed a dread lich
330729 | Zig:14   | Noticed an ancient lich
330730 | Zig:14   | Killed a dread lich
330731 | Zig:14   | Noticed a dread lich
330732 | Zig:14   | Killed a dread lich
330734 | Zig:14   | Noticed an ancient lich
330735 | Zig:14   | Killed an ancient lich
330735 | Zig:14   | Killed an ancient lich
330736 | Zig:14   | Noticed an ancient lich
330737 | Zig:14   | Noticed a dread lich
330738 | Zig:14   | Noticed a dread lich
330738 | Zig:14   | Noticed a dread lich
330738 | Zig:14   | Noticed a dread lich
330740 | Zig:14   | Killed an ancient lich
330742 | Zig:14   | Killed a dread lich
330743 | Zig:14   | Noticed an ancient lich
330744 | Zig:14   | Slain by a titan (17 damage)
330744 | Zig:14   | Noticed an ancient lich
330745 | Zig:14   | Killed a dread lich
330745 | Zig:14   | Noticed an ancient lich
330746 | Zig:14   | Killed an ancient lich
330746 | Zig:14   | Noticed a dread lich
330747 | Zig:14   | Noticed a dread lich
330748 | Zig:14   | Noticed an ancient lich
330748 | Zig:14   | Noticed an ancient lich
330751 | Zig:14   | Noticed a dread lich
330751 | Zig:14   | Noticed an ancient lich
330751 | Zig:14   | Noticed an ancient lich
330754 | Zig:14   | Noticed an ancient lich
330755 | Zig:14   | Killed a dread lich
330757 | Zig:14   | Killed an ancient lich
330757 | Zig:14   | Killed a dread lich
330759 | Zig:14   | Killed an ancient lich
330760 | Zig:14   | Killed a dread lich
330760 | Zig:14   | Noticed an ancient lich
330761 | Zig:14   | Killed from afar by a titan (14 damage)
                  | ... with a bolt of lightning
330762 | Zig:14   | Killed a dread lich
330762 | Zig:14   | Killed an ancient lich
330762 | Zig:14   | Noticed an ancient lich
330763 | Zig:14   | Killed an ancient lich
330763 | Zig:14   | Noticed an ancient lich
330763 | Zig:14   | Noticed a dread lich
330764 | Zig:14   | Killed an ancient lich
330765 | Zig:14   | Killed a dread lich
330765 | Zig:14   | Killed an ancient lich
330768 | Zig:14   | Killed an ancient lich
330768 | Zig:14   | Killed an ancient lich
330769 | Zig:14   | Noticed a dread lich
330770 | Zig:14   | Noticed an ancient lich
330770 | Zig:14   | Noticed an ancient lich
330774 | Zig:14   | Killed a dread lich
330775 | Zig:14   | Killed an ancient lich
330775 | Zig:14   | Noticed an ancient lich
330776 | Zig:14   | Noticed an ancient lich
330776 | Zig:14   | Noticed a dread lich
330777 | Zig:14   | Killed an ancient lich
330777 | Zig:14   | Killed a dread lich
330779 | Zig:14   | Killed an ancient lich
330779 | Zig:14   | Noticed an ancient lich
330781 | Zig:14   | Noticed a dread lich
330782 | Zig:14   | Killed an ancient lich
330782 | Zig:14   | Noticed a dread lich
330785 | Zig:14   | Killed by the air
                  | ... invoked by a titan
                  | (32 damage)
330787 | Zig:14   | Killed a dread lich
330789 | Zig:14   | Killed an ancient lich
330789 | Zig:14   | Killed an ancient lich
330791 | Zig:14   | Killed a dread lich
330792 | Zig:14   | Noticed a dread lich
330793 | Zig:14   | Killed a dread lich
330795 | Zig:14   | Killed an ancient lich
330796 | Zig:14   | Killed an ancient lich
330796 | Zig:14   | Noticed a dread lich
330796 | Zig:14   | Noticed a dread lich
330797 | Zig:14   | Killed a dread lich
330797 | Zig:14   | Killed an ancient lich
330798 | Zig:14   | Killed by the air
                  | ... invoked by a titan
                  | (14 damage)
330799 | Zig:14   | Noticed a dread lich
330801 | Zig:14   | Killed a dread lich
330806 | Zig:14   | Killed a dread lich
330807 | Zig:14   | Killed a dread lich
330807 | Zig:14   | Noticed an ancient lich
330808 | Zig:14   | Noticed a dread lich
330808 | Zig:14   | Noticed a dread lich
330808 | Zig:14   | Noticed a dread lich
330809 | Zig:14   | Noticed a dread lich
330809 | Zig:14   | Killed a dread lich
330812 | Zig:14   | Killed a dread lich
330815 | Zig:14   | Noticed an ancient lich
330819 | Zig:14   | Noticed a dread lich
330819 | Zig:14   | Noticed an ancient lich
330819 | Zig:14   | Noticed a dread lich
330820 | Zig:14   | Killed an ancient lich
330822 | Zig:14   | Killed a dread lich
330823 | Zig:14   | HP: 6/199 [sphinx/divine providence (9)]
330823 | Zig:14   | Noticed a dread lich
330825 | Zig:14   | Killed a dread lich
330825 | Zig:14   | Engulfed by a cloud of thunder (6 damage)
330828 | Zig:14   | Noticed a dread lich
330828 | Zig:14   | Noticed an ancient lich
330830 | Zig:14   | Noticed a dread lich
330831 | Zig:14   | Killed a dread lich
330833 | Zig:14   | Noticed an ancient lich
330834 | Zig:14   | Killed a dread lich
330837 | Zig:14   | Killed a dread lich
330840 | Zig:14   | Killed from afar by an ancient lich (82 damage)
                  | ... with a crystal spear
330842 | Zig:14   | Noticed an ancient lich
330842 | Zig:14   | Noticed an ancient lich
330842 | Zig:14   | Noticed an ancient lich
330843 | Zig:14   | Killed an ancient lich
330845 | Zig:14   | Noticed a dread lich
330845 | Zig:14   | Killed a dread lich
330847 | Zig:14   | Killed an ancient lich
330847 | Zig:14   | Noticed a dread lich
330848 | Zig:14   | Noticed an ancient lich
330848 | Zig:14   | Killed a dread lich
330848 | Zig:14   | Killed an ancient lich
330851 | Zig:14   | Killed an ancient lich
330851 | Zig:14   | Killed a dread lich
330853 | Zig:14   | Killed from afar by a Hell Sentinel (41 damage)
                  | ... with an iron shot
                  | ... summoned by a dread lich
330854 | Zig:14   | Killed a dread lich
330854 | Zig:14   | Killed a dread lich
330857 | Zig:14   | Noticed a dread lich
330858 | Zig:14   | Killed an ancient lich
330860 | Zig:14   | Killed an ancient lich
330860 | Zig:14   | Killed an ancient lich
330862 | Zig:14   | Killed an ancient lich
330863 | Zig:14   | Noticed a dread lich
330863 | Zig:14   | Noticed a dread lich
330863 | Zig:14   | Noticed an ancient lich
330866 | Zig:14   | Killed a dread lich
330872 | Zig:14   | Noticed a dread lich
330885 | Zig:14   | Killed a dread lich
330886 | Zig:14   | Killed a dread lich
330890 | Zig:14   | HP: 8/199 [golden dragon (4)]
330891 | Zig:14   | HP: 1/199 [golden dragon simulacrum[a necromancer] (7)]
330891 | Zig:14   | Mangled by a golden dragon simulacrum (12 damage)
                  | ... animated by a necromancer
330894 | Zig:14   | Killed a dread lich
330901 | Zig:14   | Killed a dread lich
330902 | Zig:14   | Killed an ancient lich
330904 | Zig:14   | Paralysed by a floating eye for 2 turns
331209 | Zig:14   | Identified the +8 war axe of Paper {vamp, rElec rC+ rN+++
                  | Dex-2 Stlth+}
331219 | Zig:14   | Identified the staff of poison "Huqomits" {rPois SInv}
331234 | Zig:14   | Identified the +5 shortbow of Quitt {heavy, Int+3}
331240 | Zig:14   | Identified the +7 glaive of Tanafack {antimagic, +Blink
                  | rN+}
331248 | Zig:14   | Identified the +9 glaive of Prudence {freeze, Dex+5}
331257 | Zig:14   | Identified the +1 scale mail "Voul" {rN+ Dex+3}
331258 | Zig:14   | Identified the ring of Jealousy {rCorr Str+6}
331268 | Zig:14   | Identified the +3 broad axe of Noufor {freeze, rC+}
331270 | Zig:14   | Identified the +7 hand axe of Igach {drain, Str+3}
331272 | Zig:14   | Identified the +5 mace of Rotation {venom, rF+ rC+ Int+2}
331280 | Zig:15   | Entered Level 15 of a ziggurat
331280 | Zig:15   | Noticed a royal mummy
331280 | Zig:15   | Noticed a royal mummy
331280 | Zig:15   | Noticed a royal mummy
331280 | Zig:15   | Noticed a royal mummy
331280 | Zig:15   | Noticed a royal mummy
331280 | Zig:15   | Noticed a royal mummy
331280 | Zig:15   | Noticed a royal mummy
331280 | Zig:15   | Noticed a royal mummy
331280 | Zig:15   | Noticed a royal mummy
331280 | Zig:15   | Noticed a royal mummy
331280 | Zig:15   | Noticed a royal mummy
331280 | Zig:15   | Noticed a royal mummy
331280 | Zig:15   | Noticed a royal mummy
331280 | Zig:15   | Noticed a royal mummy
331280 | Zig:15   | Noticed a royal mummy
331282 | Zig:15   | Noticed a royal mummy
331283 | Zig:15   | HP: 6/171 [something (11)]
331283 | Zig:15   | Killed by a guardian mummy's death curse (11 damage)
331283 | Zig:15   | Noticed a royal mummy
331283 | Zig:15   | Noticed an ancient lich
331283 | Zig:15   | Noticed a royal mummy
331283 | Zig:15   | Killed a royal mummy
331283 | Zig:15   | Killed a royal mummy
331284 | Zig:15   | Noticed a royal mummy
331284 | Zig:15   | Noticed a royal mummy
331284 | Zig:15   | Noticed a royal mummy
331284 | Zig:15   | Noticed a royal mummy
331286 | Zig:15   | Noticed a royal mummy
331286 | Zig:15   | Noticed a royal mummy
331286 | Zig:15   | Mangled by a death scarab (17 damage)
                  | ... summoned by a royal mummy
331286 | Zig:15   | Noticed a royal mummy
331289 | Zig:15   | Killed a royal mummy
331289 | Zig:15   | Killed a royal mummy
331289 | Zig:15   | HP: 7/199 [royal mummy/divine providence (9)]
331290 | Zig:15   | HP: 2/199 [death scarab[a royal mummy] (4)]
331291 | Zig:15   | Killed a royal mummy
331291 | Zig:15   | Killed by a royal mummy's death curse (18 damage)
331291 | Zig:15   | Killed a royal mummy
331292 | Zig:15   | Noticed a royal mummy
331294 | Zig:15   | Killed a royal mummy
331294 | Zig:15   | Mangled by a death scarab (13 damage)
                  | ... summoned by a royal mummy
331294 | Zig:15   | Killed a royal mummy
331295 | Zig:15   | Killed a royal mummy
331295 | Zig:15   | Killed an ancient lich
331296 | Zig:15   | Killed a royal mummy
331296 | Zig:15   | Killed a royal mummy
331297 | Zig:15   | Killed a royal mummy
331297 | Zig:15   | Killed a royal mummy
331297 | Zig:15   | Noticed a royal mummy
331298 | Zig:15   | Killed a royal mummy
331298 | Zig:15   | Killed a royal mummy
331299 | Zig:15   | Killed a royal mummy
331300 | Zig:15   | Killed a royal mummy
331301 | Zig:15   | Killed a royal mummy
331301 | Zig:15   | Killed by a royal mummy's death curse (18 damage)
331301 | Zig:15   | Killed a royal mummy
331301 | Zig:15   | Killed a royal mummy
331302 | Zig:15   | Killed a royal mummy
331302 | Zig:15   | Killed a royal mummy
331302 | Zig:15   | Killed a royal mummy
331307 | Zig:15   | Killed a royal mummy
331310 | Zig:15   | Killed a royal mummy
331311 | Zig:15   | Noticed a royal mummy
331313 | Zig:15   | Killed a royal mummy
331316 | Zig:15   | Killed a royal mummy
331319 | Zig:15   | HP: 3/199 [mummy priest/divine providence (13)]
331322 | Zig:15   | Killed by divine providence
                  | ... invoked by a royal mummy
                  | (11 damage)
331324 | Zig:15   | Killed a royal mummy
331326 | Zig:15   | Noticed a royal mummy
331329 | Zig:15   | Noticed a royal mummy
331329 | Zig:15   | Noticed a royal mummy
331335 | Zig:15   | Noticed a royal mummy
331338 | Zig:15   | Killed a royal mummy
331338 | Zig:15   | Killed by a royal mummy's death curse (21 damage)
331344 | Zig:15   | Noticed a royal mummy
331347 | Zig:15   | Noticed a royal mummy
331350 | Zig:15   | Noticed a royal mummy
331350 | Zig:15   | Noticed a royal mummy
331351 | Zig:15   | Noticed a royal mummy
331351 | Zig:15   | Noticed a royal mummy
331355 | Zig:15   | HP: 2/190 [mummy priest/divine providence (17)]
331356 | Zig:15   | Slain by a death scarab (4 damage)
                  | ... summoned by a royal mummy
331358 | Zig:15   | Noticed a royal mummy
331360 | Zig:15   | HP: 3/192 [royal mummy/divine providence (14)]
331361 | Zig:15   | Annihilated by a juggernaut simulacrum (38 damage)
                  | ... summoned by a mummy priest
331362 | Zig:15   | Killed a royal mummy
331362 | Zig:15   | Noticed a royal mummy
331363 | Zig:15   | Noticed a royal mummy
331365 | Zig:15   | Killed a royal mummy
331366 | Zig:15   | Killed a royal mummy
331366 | Zig:15   | Noticed a royal mummy
331369 | Zig:15   | Killed by divine providence
                  | ... invoked by a mummy priest
                  | (11 damage)
331377 | Zig:15   | Killed by a guardian mummy's death curse (14 damage)
331377 | Zig:15   | Noticed a royal mummy
331377 | Zig:15   | Killed a royal mummy
331378 | Zig:15   | Noticed a royal mummy
331379 | Zig:15   | Noticed a royal mummy
331380 | Zig:15   | Killed a royal mummy
331382 | Zig:15   | HP: 9/196 [death scarab[a royal mummy] (18)]
331382 | Zig:15   | Killed by divine providence
                  | ... invoked by a royal mummy
                  | (15 damage)
331382 | Zig:15   | Noticed a royal mummy
331383 | Zig:15   | Killed a royal mummy
331386 | Zig:15   | Noticed a royal mummy
331388 | Zig:15   | Killed a royal mummy
331389 | Zig:15   | Killed a royal mummy
331389 | Zig:15   | HP: 1/199 [something (11)]
331389 | Zig:15   | Mangled by a death scarab (11 damage)
                  | ... summoned by a royal mummy
331389 | Zig:15   | Noticed a royal mummy
331394 | Zig:15   | Killed a royal mummy
331394 | Zig:15   | HP: 8/199 [royal mummy/divine providence (9)]
331395 | Zig:15   | Killed a royal mummy
331395 | Zig:15   | Killed by a royal mummy's death curse (18 damage)
331398 | Zig:15   | Killed by divine providence
                  | ... invoked by a royal mummy
                  | (13 damage)
331399 | Zig:15   | Killed a royal mummy
331400 | Zig:15   | Noticed a royal mummy
331402 | Zig:15   | Noticed a royal mummy
331405 | Zig:15   | Killed a royal mummy
331406 | Zig:15   | Killed a royal mummy
331406 | Zig:15   | HP: 1/199 [mummy priest/divine providence (12)]
331406 | Zig:15   | Killed a royal mummy
331408 | Zig:15   | Demolished by a death scarab (20 damage)
                  | ... summoned by a royal mummy
331408 | Zig:15   | Noticed a royal mummy
331409 | Zig:15   | Killed a royal mummy
331411 | Zig:15   | Noticed a royal mummy
331411 | Zig:15   | Noticed a royal mummy
331411 | Zig:15   | Slain by an emperor scorpion (17 damage)
                  | ... summoned by a royal mummy
331412 | Zig:15   | Killed a royal mummy
331412 | Zig:15   | Noticed a royal mummy
331414 | Zig:15   | Killed a royal mummy
331418 | Zig:15   | Killed a royal mummy
331421 | Zig:15   | Killed a royal mummy
331422 | Zig:15   | Killed a royal mummy
331423 | Zig:15   | HP: 3/194 [death scarab[a royal mummy] (10)]
331424 | Zig:15   | Killed a royal mummy
331424 | Zig:15   | HP: 1/194 [cloud of thunder (2)]
331425 | Zig:15   | Engulfed by a cloud of thunder (10 damage)
331431 | Zig:15   | Killed a royal mummy
331431 | Zig:15   | Killed a royal mummy
331431 | Zig:15   | Noticed a royal mummy
331434 | Zig:15   | Killed a royal mummy
331437 | Zig:15   | Killed a royal mummy
331438 | Zig:15   | HP: 6/199 [cloud of thunder (4)]
331438 | Zig:15   | Slain by an orange demon (9 damage)
                  | ... summoned by a mummy priest
331442 | Zig:15   | Noticed a royal mummy
331444 | Zig:15   | Noticed a royal mummy
331454 | Zig:15   | Noticed a royal mummy
331464 | Zig:15   | Killed by divine providence
                  | ... invoked by a royal mummy
                  | (12 damage)
331473 | Zig:15   | Killed a royal mummy
331475 | Zig:15   | HP: 6/199 [royal mummy/divine providence (9)]
331476 | Zig:15   | Killed by a guardian mummy's death curse (8 damage)
331490 | Zig:15   | Killed a royal mummy
331492 | Zig:15   | Noticed a royal mummy
331497 | Zig:15   | Mangled by a juggernaut skeleton (23 damage)
331502 | Zig:15   | Killed a royal mummy
331503 | Zig:15   | Killed a royal mummy
331505 | Zig:15   | Killed a royal mummy
331867 | Zig:15   | Identified the +6 shortbow "Petowke" {drain, Int+2}
331891 | Zig:15   | Identified the +7 war axe "Paheg" {flame, Contam rC+ Int+2}
331904 | Zig:16   | Entered Level 16 of a ziggurat
331913 | Zig:16   | HP: 9/199 [burnt (2)]
331913 | Zig:16   | Killed by divine providence
                  | ... invoked by a balrug
                  | (11 damage)
331917 | Zig:16   | Mangled by an Executioner (18 damage)
331921 | Zig:16   | HP: 9/199 [Executioner (3)]
331922 | Zig:16   | Killed by an exploding demonspawn blood saint (25 damage)
                  | ... ignited by their inner flame
331925 | Zig:16   | Killed by divine providence
                  | ... invoked by a balrug
                  | (10 damage)
331931 | Zig:16   | HP: 9/199 [???[a shadow demon] (1)]
331932 | Zig:16   | HP: 2/199 [something (7)]
331933 | Zig:16   | Mangled by a demonspawn warmonger
                  | ... wielding a +0 demon blade of flaming
                  | (10 damage)
331940 | Zig:16   | HP: 1/199 [reaper/+1 scythe of flaming (18)]
331940 | Zig:16   | Mangled by a reaper
                  | ... wielding a +1 scythe of flaming
                  | (8 damage)
331945 | Zig:16   | Incinerated by a balrug (4 damage)
                  | ... with a sticky flame
331950 | Zig:16   | Noticed Muzuoc the pandemonium lord
331952 | Zig:16   | Slain by an Executioner (18 damage)
331959 | Zig:16   | Mangled by an Executioner (27 damage)
331963 | Zig:16   | HP: 3/199 [reaper/+1 scythe of venom (43)]
331963 | Zig:16   | Killed by divine providence
                  | ... invoked by a balrug
                  | (14 damage)
331971 | Zig:16   | Mangled by Muzuoc the pandemonium lord (33 damage)
331976 | Zig:16   | HP: 9/199 [??? (1)]
331976 | Zig:16   | Mangled by Muzuoc the pandemonium lord (22 damage)
331978 | Zig:16   | Slain by Muzuoc the pandemonium lord (12 damage)
331987 | Zig:16   | HP: 6/199 [Tzitzimitl[a shadow demon] (10)]
331987 | Zig:16   | Slain by a hell beast (9 damage)
331992 | Zig:16   | HP: 2/199 [burnt (4)]
331992 | Zig:16   | Slain by Muzuoc the pandemonium lord (6 damage)
331997 | Zig:16   | Annihilated by a demonspawn warmonger
                  | ... wielding a +5 glaive of pain
                  | (56 damage)
332001 | Zig:16   | Killed Muzuoc the pandemonium lord
332003 | Zig:16   | Demolished by a demonspawn warmonger
                  | ... wielding a +5 glaive of pain
                  | (39 damage)
332025 | Zig:16   | HP: 3/199 [demonspawn warmonger/+5 glaive of pain (27)]
332027 | Zig:16   | Killed from afar by a blizzard demon (14 damage)
                  | ... with a bolt of cold
332040 | Zig:16   | HP: 4/199 [demonspawn warmonger/+5 glaive of pain (22)]
332041 | Zig:16   | Slain by a demonspawn warmonger
                  | ... wielding a +5 glaive of pain
                  | (8 damage)
332055 | Zig:16   | Killed from afar by an Ice Fiend (18 damage)
                  | ... with a bolt of cold
332076 | Zig:16   | HP: 5/199 [demonspawn black sun/+0 demon trident[a shadow
                  | demon] (8)]
332474 | Zig:16   | Identified the +5 rapier "Ducun" {holy, MP-9 Str+3 Dex+5}
332478 | Zig:16   | Identified the +4 short sword "Uvunic" {flame, *Corrode
                  | rPois Str+2}
332480 | Zig:16   | Identified the staff of death "Imnataot" {rC+ rN+ Str+2
                  | Int-3}
332489 | Zig:16   | Identified the +1 short sword of Squeaky Subterfuge
                  | {freeze, Contam rC+ Dex+6 Stlth-}
332537 | Zig:16   | Identified the staff of poison "Ymmeuz" {rPois rCorr Str+2}
332539 | Zig:16   | Identified the +1 rapier of Fate {distort, Str+4 Dex+3}
332555 | Zig:16   | Identified the +7 double sword "Killer Bee's Doom" {venom,
                  | Str+3}
332572 | Zig:16   | Identified the +0 fire dragon scales of the Reasonable
                  | Kraken {+Inv rF++ rC- Regen+ Str+3 SInv}
332573 | Zig:16   | Identified the +7 dagger of the Revolution {spect, rF+
                  | Stlth+}
332600 | Zig:16   | Identified the staff of earth "Mojitry" {rC+ Int+2}
332608 | Zig:16   | Identified the +4 morningstar "Pexasaim" {drain, rPois
                  | Str-4 Int-4 Dex+6}
332612 | Zig:17   | Entered Level 17 of a ziggurat
332612 | Zig:17   | Noticed Foarusk the pandemonium lord
332612 | Zig:17   | Noticed Ischot the pandemonium lord
332612 | Zig:17   | Noticed Goduaq the pandemonium lord
332612 | Zig:17   | Noticed Oriung the pandemonium lord
332612 | Zig:17   | Noticed Uqovef the pandemonium lord
332612 | Zig:17   | Noticed Momehe the pandemonium lord
332612 | Zig:17   | Noticed Vix Edod the pandemonium lord
332612 | Zig:17   | Noticed Semu the pandemonium lord
332612 | Zig:17   | Noticed Pegruga the pandemonium lord
332612 | Zig:17   | Noticed Weituen the pandemonium lord
332612 | Zig:17   | Noticed Elu Rorehum the pandemonium lord
332612 | Zig:17   | Noticed Qaac Amy the pandemonium lord
332612 | Zig:17   | Noticed Zalykh the pandemonium lord
332612 | Zig:17   | Noticed Teit the pandemonium lord
332612 | Zig:17   | Noticed Enuos the pandemonium lord
332612 | Zig:17   | Noticed Toemiboi the pandemonium lord
332612 | Zig:17   | Noticed Gyurchoe the pandemonium lord
332612 | Zig:17   | Noticed Girphycsi the pandemonium lord
332612 | Zig:17   | Noticed Loolihog the pandemonium lord
332613 | Zig:17   | Noticed Afuihoac the pandemonium lord
332613 | Zig:17   | Noticed Penos the pandemonium lord
332613 | Zig:17   | Noticed Zila Ett the pandemonium lord
332613 | Zig:17   | Noticed Ahyf the pandemonium lord
332613 | Zig:17   | Noticed Vipizxen the pandemonium lord
332613 | Zig:17   | Noticed Iroumef the pandemonium lord
332613 | Zig:17   | Noticed Nunuyludd the pandemonium lord
332613 | Zig:17   | Noticed Xyimpay the pandemonium lord
332613 | Zig:17   | Noticed Asocycsas the pandemonium lord
332613 | Zig:17   | Noticed Folapept the pandemonium lord
332613 | Zig:17   | Noticed Dakkurewk the pandemonium lord
332613 | Zig:17   | Noticed Gemem the pandemonium lord
332613 | Zig:17   | Noticed Witos the pandemonium lord
332613 | Zig:17   | Noticed Emmy the pandemonium lord
332613 | Zig:17   | Noticed Ymmoss the pandemonium lord
332613 | Zig:17   | Noticed Fosisong the pandemonium lord
332613 | Zig:17   | Noticed Hauripn the pandemonium lord
332613 | Zig:17   | Noticed Boeria the pandemonium lord
332613 | Zig:17   | Noticed Zergh the pandemonium lord
332613 | Zig:17   | Noticed Ticuocal the pandemonium lord
332613 | Zig:17   | Noticed Jodd the pandemonium lord
332613 | Zig:17   | Noticed Selutica the pandemonium lord
332613 | Zig:17   | Noticed Zoajish the pandemonium lord
332617 | Zig:17   | Noticed Ninyrphad the pandemonium lord
332618 | Zig:17   | Noticed Fief the pandemonium lord
332623 | Zig:17   | Noticed Gunu the pandemonium lord
332623 | Zig:17   | Killed Girphycsi the pandemonium lord
332623 | Zig:17   | Killed Ninyrphad the pandemonium lord
332623 | Zig:17   | Killed Afuihoac the pandemonium lord
332625 | Zig:17   | Killed Oriung the pandemonium lord
332625 | Zig:17   | Noticed Kyuzecum the pandemonium lord
332626 | Zig:17   | Killed Selutica the pandemonium lord
332627 | Zig:17   | Killed Zila Ett the pandemonium lord
332630 | Zig:17   | Noticed Bapy the pandemonium lord
332631 | Zig:17   | Killed Zoajish the pandemonium lord
332632 | Zig:17   | Killed Iroumef the pandemonium lord
332633 | Zig:17   | Killed Pegruga the pandemonium lord
332635 | Zig:17   | Noticed Akosaps the pandemonium lord
332638 | Zig:17   | Killed Loolihog the pandemonium lord
332639 | Zig:17   | Noticed Kunastue the pandemonium lord
332639 | Zig:17   | Killed Hauripn the pandemonium lord
332640 | Zig:17   | Noticed Feefet the pandemonium lord
332640 | Zig:17   | Killed Elu Rorehum the pandemonium lord
332640 | Zig:17   | Noticed Dithrir the pandemonium lord
332641 | Zig:17   | Killed Vipizxen the pandemonium lord
332641 | Zig:17   | Killed Ticuocal the pandemonium lord
332643 | Zig:17   | Killed Toemiboi the pandemonium lord
332644 | Zig:17   | Noticed Cutzyiv the pandemonium lord
332645 | Zig:17   | Killed Goduaq the pandemonium lord
332646 | Zig:17   | Noticed Otirghiesm the pandemonium lord
332646 | Zig:17   | Noticed Venk the pandemonium lord
332647 | Zig:17   | Noticed Howny the pandemonium lord
332647 | Zig:17   | Noticed Meoz the pandemonium lord
332647 | Zig:17   | Noticed Rues the pandemonium lord
332648 | Zig:17   | Noticed Rouck the pandemonium lord
332648 | Zig:17   | Noticed Xaf Wulu the pandemonium lord
332648 | Zig:17   | Slain by Boeria the pandemonium lord (15 damage)
332648 | Zig:17   | Killed Fief the pandemonium lord
332648 | Zig:17   | Noticed Qyceux the pandemonium lord
332648 | Zig:17   | Killed Teit the pandemonium lord
332649 | Zig:17   | Killed Enuos the pandemonium lord
332651 | Zig:17   | Killed Kyuzecum the pandemonium lord
332651 | Zig:17   | Noticed Atim the pandemonium lord
332651 | Zig:17   | Killed Gyurchoe the pandemonium lord
332652 | Zig:17   | Noticed Fokhlot the pandemonium lord
332652 | Zig:17   | Noticed Deracvuo the pandemonium lord
332652 | Zig:17   | Killed Boeria the pandemonium lord
332654 | Zig:17   | Noticed Xoruadgh the pandemonium lord
332655 | Zig:17   | Killed Witos the pandemonium lord
332657 | Zig:17   | Killed Vix Edod the pandemonium lord
332658 | Zig:17   | Killed Cutzyiv the pandemonium lord
332658 | Zig:17   | Noticed Doejuuc the pandemonium lord
332658 | Zig:17   | Killed Foarusk the pandemonium lord
332658 | Zig:17   | Noticed Foxtasch the pandemonium lord
332659 | Zig:17   | Killed Ahyf the pandemonium lord
332659 | Zig:17   | Killed Uqovef the pandemonium lord
332659 | Zig:17   | Killed Ischot the pandemonium lord
332659 | Zig:17   | Killed from afar by Feefet the pandemonium lord (24 damage)
                  | ... with an arc of chain lightning
332659 | Zig:17   | Killed Dakkurewk the pandemonium lord
332659 | Zig:17   | Killed Jodd the pandemonium lord
332659 | Zig:17   | Killed Nunuyludd the pandemonium lord
332660 | Zig:17   | Noticed Xunonn the pandemonium lord
332660 | Zig:17   | Noticed Iryreull the pandemonium lord
332661 | Abyss:6  | Found a corrupted altar of Lugonu.
332661 | Abyss:6  | Cast into level 6 of the Abyss (Fokhlot)
332776 | Abyss:6  | HP: 2/199 [profane servitor/+3 whip (9)]
332777 | Abyss:6  | Slain by a profane servitor
                  | ... wielding a +3 whip
                  | (6 damage)
332850 | Abyss:6  | Killed from afar by a lich (22 damage)
                  | ... with a bolt of cold
332853 | Abyss:6  | Paralysed by accursed screaming for 1 turns
332881 | Abyss:6  | Paralysed by accursed screaming for 1 turns
332896 | Zig:17   | Escaped the Abyss
332896 | Zig:17   | Noticed Loub the pandemonium lord
332896 | Zig:17   | Killed from afar by Feefet the pandemonium lord (43 damage)
                  | ... with an arc of chain lightning
332896 | Zig:17   | Noticed Ofamij the pandemonium lord
332896 | Zig:17   | Noticed Iggaal the pandemonium lord
332896 | Zig:17   | Noticed Apulet the pandemonium lord
332896 | Zig:17   | Noticed Remuip the pandemonium lord
332896 | Zig:17   | Noticed Sonoboc the pandemonium lord
332896 | Zig:17   | Noticed Adweraor the pandemonium lord
332896 | Zig:17   | Noticed Ixeyrel the pandemonium lord
332896 | Zig:17   | Noticed Joeq the pandemonium lord
332896 | Zig:17   | Noticed Saocixea the pandemonium lord
332896 | Zig:17   | Noticed Lorch the pandemonium lord
332896 | Zig:17   | Noticed Vischucre the pandemonium lord
332896 | Zig:17   | Noticed Ypruapsall the pandemonium lord
332896 | Zig:17   | Noticed Xueraym the pandemonium lord
332896 | Zig:17   | Noticed Azaab the pandemonium lord
332896 | Zig:17   | Noticed Ypto the pandemonium lord
332896 | Zig:17   | Noticed Motseog the pandemonium lord
332896 | Zig:17   | Noticed Wetatsia the pandemonium lord
332896 | Zig:17   | Noticed Rets the pandemonium lord
332896 | Zig:17   | Noticed Xodosse the pandemonium lord
332896 | Zig:17   | Noticed Xusi Iduw the pandemonium lord
332896 | Zig:17   | Noticed Wieric the pandemonium lord
332896 | Zig:17   | Noticed Itatwang the pandemonium lord
332896 | Zig:17   | Noticed Uchudiuc the pandemonium lord
332896 | Zig:17   | Noticed Motuolai the pandemonium lord
332896 | Zig:17   | Noticed Ihoucoef the pandemonium lord
332896 | Zig:17   | Noticed Hufok Tauwn the pandemonium lord
332896 | Zig:17   | Noticed Tatzuac the pandemonium lord
332896 | Zig:17   | Killed Penos the pandemonium lord
332896 | Zig:17   | Noticed Nemiwev the pandemonium lord
332897 | Zig:17   | Noticed Powem the pandemonium lord
332897 | Zig:17   | Noticed Meoh the pandemonium lord
332897 | Zig:17   | Killed Wetatsia the pandemonium lord
332897 | Zig:17   | Killed Remuip the pandemonium lord
332897 | Zig:17   | Killed Dithrir the pandemonium lord
332897 | Zig:17   | Killed Xueraym the pandemonium lord
332897 | Zig:17   | Killed Hufok Tauwn the pandemonium lord
332897 | Zig:17   | Killed Ypto the pandemonium lord
332897 | Zig:17   | Noticed Baozu the pandemonium lord
332897 | Zig:17   | Noticed Suaratot the pandemonium lord
332897 | Zig:17   | Noticed Wynycez the pandemonium lord
332897 | Zig:17   | Noticed Viuton the pandemonium lord
332897 | Zig:17   | Noticed Dicuvvaa the pandemonium lord
332897 | Zig:17   | Noticed For Oqyx the pandemonium lord
332898 | Zig:17   | Noticed Cauv the pandemonium lord
332898 | Zig:17   | Killed Folapept the pandemonium lord
332898 | Zig:17   | Noticed Zecseoc the pandemonium lord
332898 | Zig:17   | Noticed Dumashrol the pandemonium lord
332899 | Zig:17   | Noticed Hotrogos the pandemonium lord
332899 | Zig:17   | Killed Feefet the pandemonium lord
332899 | Zig:17   | Killed Akosaps the pandemonium lord
332899 | Zig:17   | Noticed Xiur the pandemonium lord
332900 | Zig:17   | Killed Weituen the pandemonium lord
332900 | Zig:17   | Killed from afar by Iryreull the pandemonium lord (86
                  | damage)
                  | ... with an iron shot
332901 | Zig:17   | Noticed Ugasotog the pandemonium lord
332901 | Zig:17   | Noticed Ama Ugypam the pandemonium lord
332901 | Zig:17   | Killed Semu the pandemonium lord
332902 | Zig:17   | Killed Wieric the pandemonium lord
332902 | Zig:17   | Killed Motseog the pandemonium lord
332903 | Zig:17   | Noticed Zomnonk the pandemonium lord
332903 | Zig:17   | Killed Qyceux the pandemonium lord
332903 | Zig:17   | Killed Fokhlot the pandemonium lord
332903 | Zig:17   | Noticed Cyfod the pandemonium lord
332904 | Zig:17   | Noticed Wuzos the pandemonium lord
332904 | Zig:17   | Killed Otirghiesm the pandemonium lord
332904 | Zig:17   | Killed Azaab the pandemonium lord
332904 | Zig:17   | Killed Joeq the pandemonium lord
332904 | Zig:17   | Noticed Sili the pandemonium lord
332906 | Zig:17   | Killed Ofamij the pandemonium lord
332908 | Zig:17   | Killed Rues the pandemonium lord
332908 | Zig:17   | Killed Xusi Iduw the pandemonium lord
332909 | Zig:17   | Noticed Quaw the pandemonium lord
332910 | Zig:17   | Killed Xaf Wulu the pandemonium lord
332910 | Zig:17   | Slain by Rouck the pandemonium lord (20 damage)
332911 | Zig:17   | Killed Howny the pandemonium lord
332912 | Zig:17   | Noticed Cairuh the pandemonium lord
332912 | Zig:17   | Killed Sonoboc the pandemonium lord
332912 | Zig:17   | Noticed Piemimur the pandemonium lord
332913 | Zig:17   | Noticed Morayrgh the pandemonium lord
332914 | Zig:17   | Noticed Urui the pandemonium lord
332915 | Zig:17   | Noticed Wiawi the pandemonium lord
332916 | Zig:17   | Killed Suaratot the pandemonium lord
332917 | Zig:17   | Noticed Tekeghiu the pandemonium lord
332917 | Zig:17   | Killed Xyimpay the pandemonium lord
332917 | Zig:17   | Killed Adweraor the pandemonium lord
332918 | Zig:17   | Killed Emmy the pandemonium lord
332919 | Zig:17   | Noticed Maps the pandemonium lord
332919 | Zig:17   | HP: 3/199 [Atim the pandemonium lord (7)]
332919 | Zig:17   | Demolished by Powem the pandemonium lord (19 damage)
332920 | Abyss:6  | Cast into level 6 of the Abyss (Xiur)
332925 | Zig:17   | Escaped the Abyss
332925 | Zig:17   | Noticed Xipn the pandemonium lord
332925 | Zig:17   | Killed Ama Ugypam the pandemonium lord
332925 | Zig:17   | Killed Iryreull the pandemonium lord
332926 | Zig:17   | Killed Doejuuc the pandemonium lord
332926 | Zig:17   | Killed Bapy the pandemonium lord
332929 | Zig:17   | Killed Wynycez the pandemonium lord
332931 | Zig:17   | Killed Ixeyrel the pandemonium lord
332931 | Zig:17   | Killed Lorch the pandemonium lord
332931 | Zig:17   | Killed Momehe the pandemonium lord
332931 | Zig:17   | Killed Fosisong the pandemonium lord
332932 | Zig:17   | Killed Xoruadgh the pandemonium lord
332932 | Zig:17   | Killed Deracvuo the pandemonium lord
332932 | Zig:17   | Killed Powem the pandemonium lord
332932 | Zig:17   | Killed Wuzos the pandemonium lord
332933 | Zig:17   | Killed Itatwang the pandemonium lord
332933 | Zig:17   | Killed For Oqyx the pandemonium lord
332933 | Zig:17   | Killed Xiur the pandemonium lord
332933 | Zig:17   | Killed Venk the pandemonium lord
332933 | Zig:17   | Killed Loub the pandemonium lord
332933 | Zig:17   | Noticed Lechoes the pandemonium lord
332934 | Zig:17   | Killed Qaac Amy the pandemonium lord
332935 | Zig:17   | Noticed Pauheo the pandemonium lord
332935 | Zig:17   | Killed Rouck the pandemonium lord
332935 | Zig:17   | Killed Cairuh the pandemonium lord
332935 | Zig:17   | Killed Joukhy the pandemonium lord
332935 | Zig:17   | Killed Xipn the pandemonium lord
332935 | Zig:17   | Killed Urui the pandemonium lord
332935 | Zig:17   | Noticed But Sagy the pandemonium lord
332936 | Zig:17   | Killed Ugasotog the pandemonium lord
332936 | Zig:17   | Killed Ihoucoef the pandemonium lord
332936 | Zig:17   | Killed Apulet the pandemonium lord
332936 | Zig:17   | Killed Meoz the pandemonium lord
332938 | Zig:17   | Noticed Semive Tehig the pandemonium lord
332941 | Zig:17   | Noticed Muwyga the pandemonium lord
332941 | Zig:17   | Noticed Utsianin the pandemonium lord
332943 | Zig:17   | Noticed Biniothidom the pandemonium lord
332944 | Zig:17   | Noticed Neeqyu the pandemonium lord
332945 | Zig:17   | Killed Rets the pandemonium lord
332945 | Zig:17   | HP: 3/199 [Iggaal the pandemonium lord (14)]
332945 | Zig:17   | Noticed Zeneefaig the pandemonium lord
332945 | Zig:17   | Noticed Byqita Jioph the pandemonium lord
332946 | Zig:17   | Noticed Exzaumit the pandemonium lord
332947 | Zig:17   | Killed Zergh the pandemonium lord
332947 | Zig:17   | Annihilated by Maps the pandemonium lord (43 damage)
332948 | Zig:17   | Killed Motuolai the pandemonium lord
332950 | Zig:17   | Killed Lechoes the pandemonium lord
332950 | Zig:17   | Noticed Watsayk the pandemonium lord
332951 | Zig:17   | Noticed Imessio the pandemonium lord
332952 | Zig:17   | Noticed Ehamau the pandemonium lord
332952 | Zig:17   | Killed Ymmoss the pandemonium lord
332952 | Zig:17   | Killed Gunu the pandemonium lord
332952 | Zig:17   | Killed Morayrgh the pandemonium lord
332953 | Zig:17   | Killed Kunastue the pandemonium lord
332953 | Zig:17   | Killed Byqita Jioph the pandemonium lord
332953 | Zig:17   | Killed Tatzuac the pandemonium lord
332953 | Zig:17   | Killed Nemiwev the pandemonium lord
332953 | Zig:17   | Killed Cyfod the pandemonium lord
332953 | Zig:17   | Killed Zomnonk the pandemonium lord
332953 | Zig:17   | Killed Foxtasch the pandemonium lord
332953 | Zig:17   | Killed Quaw the pandemonium lord
332953 | Zig:17   | HP: 9/199 [spore (5)]
332953 | Zig:17   | Slain by Atim the pandemonium lord (10 damage)
332953 | Zig:17   | Noticed Oclet the pandemonium lord
332953 | Zig:17   | Noticed Wumaddigh the pandemonium lord
332953 | Zig:17   | Noticed Matumuopt the pandemonium lord
332954 | Zig:17   | Noticed Hohugueroi the pandemonium lord
332955 | Zig:17   | Noticed Xihuiv the pandemonium lord
332955 | Zig:17   | Noticed Boqeanaraa the pandemonium lord
332956 | Zig:17   | Noticed Jubbuakh the pandemonium lord
332956 | Zig:17   | Noticed Siozieg the pandemonium lord
332957 | Zig:17   | Killed Exzaumit the pandemonium lord
332957 | Zig:17   | Killed Xunonn the pandemonium lord
332957 | Zig:17   | Noticed Lots the pandemonium lord
332958 | Zig:17   | Killed Sili the pandemonium lord
332958 | Zig:17   | Killed Viuton the pandemonium lord
332958 | Zig:17   | Killed Wiawi the pandemonium lord
332959 | Zig:17   | Killed Atim the pandemonium lord
332959 | Abyss:6  | Cast into level 6 of the Abyss (Maps)
333009 | Zig:17   | Escaped the Abyss
333009 | Zig:17   | Noticed Loeboet the pandemonium lord
333009 | Zig:17   | Noticed Jesoq the pandemonium lord
333009 | Zig:17   | Noticed Xyrpho the pandemonium lord
333009 | Zig:17   | Noticed Viostrink the pandemonium lord
333010 | Zig:17   | Noticed Pafyut the pandemonium lord
333010 | Zig:17   | Noticed Waghidugipn the pandemonium lord
333010 | Zig:17   | Noticed Waikeol the pandemonium lord
333010 | Zig:17   | Killed Neeqyu the pandemonium lord
333010 | Zig:17   | Noticed Urror the pandemonium lord
333010 | Zig:17   | HP: 5/199 [Maps the pandemonium lord (12)]
333010 | Zig:17   | Noticed Filata the pandemonium lord
333011 | Zig:17   | Slain by Pafyut the pandemonium lord (9 damage)
333011 | Zig:17   | Noticed Tokuv the pandemonium lord
333011 | Zig:17   | Noticed Siloirot the pandemonium lord
333011 | Zig:17   | Noticed Jaabba the pandemonium lord
333012 | Zig:17   | Noticed Mywehan the pandemonium lord
333013 | Zig:17   | Killed Iggaal the pandemonium lord
333013 | Zig:17   | Noticed Jomam the pandemonium lord
333017 | Zig:17   | Killed Vischucre the pandemonium lord
333017 | Zig:17   | Killed Gemem the pandemonium lord
333017 | Zig:17   | Killed Xodosse the pandemonium lord
333018 | Zig:17   | Killed Baozu the pandemonium lord
333019 | Zig:17   | Noticed Rinn the pandemonium lord
333019 | Zig:17   | Noticed Liahis the pandemonium lord
333019 | Zig:17   | Noticed Geikoano the pandemonium lord
333019 | Zig:17   | Killed But Sagy the pandemonium lord
333019 | Zig:17   | Killed Dumashrol the pandemonium lord
333019 | Zig:17   | Killed Zeneefaig the pandemonium lord
333020 | Zig:17   | Noticed Odast the pandemonium lord
333021 | Zig:17   | Killed Boqeanaraa the pandemonium lord
333021 | Zig:17   | HP: 5/199 [Dicuvvaa the pandemonium lord (17)]
333021 | Zig:17   | Noticed Miatyij the pandemonium lord
333021 | Zig:17   | Noticed Xota the pandemonium lord
333021 | Zig:17   | Noticed Copozymoc the pandemonium lord
333022 | Zig:17   | Killed Piemimur the pandemonium lord
333022 | Zig:17   | Killed Maps the pandemonium lord
333022 | Zig:17   | Killed Watsayk the pandemonium lord
333022 | Zig:17   | Killed Pafyut the pandemonium lord
333022 | Zig:17   | Killed Lots the pandemonium lord
333022 | Zig:17   | Killed Hotrogos the pandemonium lord
333022 | Zig:17   | Killed Waikeol the pandemonium lord
333022 | Zig:17   | Killed from afar by Ehamau the pandemonium lord (8 damage)
                  | ... with an arc of chain lightning
333022 | Zig:17   | Killed Siloirot the pandemonium lord
333022 | Zig:17   | Killed Muwyga the pandemonium lord
333022 | Zig:17   | Killed Asocycsas the pandemonium lord
333023 | Zig:17   | Killed Xyrpho the pandemonium lord
333024 | Zig:17   | Killed Matumuopt the pandemonium lord
333024 | Zig:17   | Killed Imessio the pandemonium lord
333024 | Zig:17   | Killed Xihuiv the pandemonium lord
333024 | Zig:17   | Killed Dicuvvaa the pandemonium lord
333025 | Zig:17   | Killed Tekeghiu the pandemonium lord
333026 | Zig:17   | Killed Urror the pandemonium lord
333026 | Zig:17   | Killed Pauheo the pandemonium lord
333027 | Zig:17   | Killed Ehamau the pandemonium lord
333028 | Zig:17   | Killed Zecseoc the pandemonium lord
333028 | Zig:17   | Noticed Vaali the pandemonium lord
333028 | Zig:17   | Noticed Vuwe the pandemonium lord
333029 | Zig:17   | Killed Biniothidom the pandemonium lord
333030 | Zig:17   | Killed Tokuv the pandemonium lord
333030 | Zig:17   | Noticed Hismin the pandemonium lord
333031 | Zig:17   | Noticed Atocvah the pandemonium lord
333031 | Zig:17   | Noticed Seph the pandemonium lord
333032 | Zig:17   | Killed Meoh the pandemonium lord
333032 | Zig:17   | Killed Oclet the pandemonium lord
333032 | Zig:17   | Killed Mywehan the pandemonium lord
333033 | Zig:17   | Noticed Meuwk the pandemonium lord
333033 | Zig:17   | Killed Siozieg the pandemonium lord
333033 | Zig:17   | Noticed Yloo the pandemonium lord
333034 | Zig:17   | Killed Saocixea the pandemonium lord
333034 | Zig:17   | Killed Jubbuakh the pandemonium lord
333034 | Zig:17   | Noticed Witap the pandemonium lord
333035 | Zig:17   | Noticed Ymootrod the pandemonium lord
333035 | Zig:17   | Noticed Hiodicvy the pandemonium lord
333035 | Zig:17   | Killed Rinn the pandemonium lord
333035 | Zig:17   | Noticed Umit the pandemonium lord
333035 | Zig:17   | HP: 3/199 [Waghidugipn the pandemonium lord (16)]
333035 | Zig:17   | Killed by divine providence
                  | ... invoked by a balrug
                  | ... summoned by Odast
                  | (13 damage)
333035 | Zig:17   | Paralysed by a floating eye for 4 turns
333036 | Zig:17   | Killed Vuwe the pandemonium lord
333036 | Zig:17   | Killed Vaali the pandemonium lord
333036 | Zig:17   | Noticed Hanorext the pandemonium lord
333037 | Zig:17   | Noticed Xodu Veu the pandemonium lord
333038 | Zig:17   | Noticed Zoluph the pandemonium lord
333040 | Zig:17   | Killed Jesoq the pandemonium lord
333040 | Zig:17   | Killed Miatyij the pandemonium lord
333040 | Zig:17   | Noticed Sesufug the pandemonium lord
333041 | Zig:17   | Noticed Bebousk the pandemonium lord
333041 | Zig:17   | Killed Zalykh the pandemonium lord
333042 | Zig:17   | Noticed Zeugugin the pandemonium lord
333042 | Zig:17   | Killed Yloo the pandemonium lord
333042 | Zig:17   | Killed Jaabba the pandemonium lord
333042 | Zig:17   | Killed Utsianin the pandemonium lord
333043 | Zig:17   | Noticed Diemin Opigg the pandemonium lord
333043 | Zig:17   | Killed Xodu Veu the pandemonium lord
333045 | Zig:17   | Killed Semive Tehig the pandemonium lord
333046 | Zig:17   | Killed Hohugueroi the pandemonium lord
333047 | Zig:17   | Killed Odast the pandemonium lord
333048 | Zig:17   | Killed Xota the pandemonium lord
333048 | Zig:17   | Killed Witap the pandemonium lord
333048 | Zig:17   | Noticed Seimeas the pandemonium lord
333049 | Zig:17   | Killed Waghidugipn the pandemonium lord
333049 | Zig:17   | Killed Copozymoc the pandemonium lord
333049 | Zig:17   | Killed Atocvah the pandemonium lord
333049 | Zig:17   | Killed Hismin the pandemonium lord
333049 | Zig:17   | Killed Ypruapsall the pandemonium lord
333049 | Zig:17   | HP: 8/199 [Seph the pandemonium lord (16)]
333049 | Zig:17   | Noticed Pedeyk the pandemonium lord
333050 | Zig:17   | Killed Wumaddigh the pandemonium lord
333050 | Zig:17   | Mangled by Hiodicvy the pandemonium lord (18 damage)
333054 | Zig:17   | Killed Umit the pandemonium lord
333054 | Zig:17   | Noticed Ciocweanli the pandemonium lord
333055 | Zig:17   | Killed Sesufug the pandemonium lord
333057 | Zig:17   | Killed Ymootrod the pandemonium lord
333058 | Zig:17   | Killed Hiodicvy the pandemonium lord
333059 | Zig:17   | Killed Loeboet the pandemonium lord
333059 | Zig:17   | Killed Zoluph the pandemonium lord
333060 | Zig:17   | Killed Seph the pandemonium lord
333060 | Zig:17   | Killed Meuwk the pandemonium lord
333060 | Zig:17   | Killed Zeugugin the pandemonium lord
333061 | Zig:17   | Killed Ciocweanli the pandemonium lord
333062 | Zig:17   | Killed Cauv the pandemonium lord
333062 | Zig:17   | Killed Diemin Opigg the pandemonium lord
333065 | Zig:17   | Killed Pedeyk the pandemonium lord
333067 | Zig:17   | Killed Bebousk the pandemonium lord
333070 | Zig:17   | Killed Liahis the pandemonium lord
333070 | Zig:17   | Killed Jomam the pandemonium lord
333072 | Zig:17   | Noticed Ijitulud the pandemonium lord
333072 | Zig:17   | Killed Uchudiuc the pandemonium lord
333073 | Zig:17   | Killed Seimeas the pandemonium lord
333075 | Zig:17   | Killed Geikoano the pandemonium lord
333077 | Zig:17   | Killed Ijitulud the pandemonium lord
333077 | Zig:17   | Killed Hanorext the pandemonium lord
333078 | Zig:17   | Noticed Wahoqi the pandemonium lord
333082 | Zig:17   | Killed Filata the pandemonium lord
333084 | Zig:17   | Killed Viostrink the pandemonium lord
333086 | Zig:17   | Noticed Wuam the pandemonium lord
333090 | Zig:17   | Noticed Yqoghept the pandemonium lord
333093 | Zig:17   | Noticed Baklech the pandemonium lord
333095 | Zig:17   | Noticed Wonosch the pandemonium lord
333096 | Zig:17   | Killed Wahoqi the pandemonium lord
333097 | Zig:17   | Noticed Hifezaug the pandemonium lord
333097 | Zig:17   | Noticed Pifrawum the pandemonium lord
333098 | Zig:17   | Noticed Tecsyl the pandemonium lord
333099 | Zig:17   | Killed Yqoghept the pandemonium lord
333101 | Zig:17   | Killed Wuam the pandemonium lord
333103 | Zig:17   | Noticed Typrin the pandemonium lord
333105 | Zig:17   | Killed Wonosch the pandemonium lord
333105 | Zig:17   | Killed Pifrawum the pandemonium lord
333106 | Zig:17   | Killed Baklech the pandemonium lord
333107 | Zig:17   | Slain by Hifezaug the pandemonium lord (22 damage)
333107 | Zig:17   | Noticed Wuoranus the pandemonium lord
333107 | Zig:17   | Noticed Zapopt the pandemonium lord
333107 | Zig:17   | Noticed Asiv the pandemonium lord
333109 | Zig:17   | Killed Hifezaug the pandemonium lord
333110 | Zig:17   | Noticed Vegelos the pandemonium lord
333111 | Zig:17   | Killed Tecsyl the pandemonium lord
333116 | Zig:17   | Killed Typrin the pandemonium lord
333118 | Zig:17   | Killed Wuoranus the pandemonium lord
333119 | Zig:17   | Killed Asiv the pandemonium lord
333122 | Zig:17   | Killed Zapopt the pandemonium lord
333124 | Zig:17   | Killed Vegelos the pandemonium lord
333512 | Zig:17   | Identified the +0 sling "Oclior" {heavy, *Slow rF+++ rC+
                  | Stlth-}
333523 | Zig:17   | Identified the staff of air "Ephoniw" {rElec rF+ Stlth+}
333538 | Zig:17   | Identified the +3 scale mail of Cowardice {rN+ Str+3 Dex-5
                  | SInv}
333542 | Zig:17   | Identified the +1 halberd of the Fuzzy God {flame, rElec}
333565 | Zig:17   | Identified the staff of cold "Jodual" {rC+ Int+4}
333594 | Zig:18   | Entered Level 18 of a ziggurat
333595 | Zig:18   | Noticed an ancient lich
333599 | Zig:18   | Killed from afar by a Hell Sentinel (52 damage)
                  | ... with an iron shot
333605 | Zig:18   | HP: 8/199 [Hell Sentinel (2)]
333605 | Zig:18   | Mangled by a Hell Sentinel (15 damage)
333606 | Zig:18   | Killed an ancient lich
333613 | Zig:18   | HP: 2/199 [iron giant/Hell Sentinel (11)]
333613 | Zig:18   | Demolished by a Hell Sentinel (16 damage)
333619 | Zig:18   | Slain by a Hell Sentinel (16 damage)
333625 | Zig:18   | Killed from afar by an iron giant (31 damage)
                  | ... with an iron shot
333632 | Zig:18   | HP: 9/199 [Hell Sentinel/iron shot (15)]
333632 | Zig:18   | HP: 4/199 [Hell Sentinel (5)]
333634 | Zig:18   | Demolished by a Hell Sentinel (20 damage)
333645 | Zig:18   | HP: 3/199 [iron golem (10)]
333645 | Zig:18   | Slain by an iron golem (5 damage)
333658 | Zig:18   | Killed from afar by a Hell Sentinel (14 damage)
                  | ... with an iron shot
333671 | Zig:18   | Slain by an iron golem (17 damage)
333685 | Zig:18   | HP: 6/199 [spore (17)]
333686 | Zig:18   | Mangled by an iron golem (18 damage)
333690 | Zig:18   | Killed from afar by a Hell Sentinel (41 damage)
                  | ... with an iron shot
333704 | Zig:18   | Killed from afar by an ancient champion (45 damage)
                  | ... with an iron shot
333712 | Zig:18   | Killed from afar by a Hell Sentinel (37 damage)
                  | ... with damnation
333727 | Zig:18   | HP: 7/199 [iron golem (18)]
333728 | Zig:18   | Hit by a Hell Sentinel thrown by iron giant (8 damage)
333742 | Zig:18   | HP: 8/199 [Hell Sentinel/iron shot (7)]
333745 | Zig:18   | HP: 1/199 [iron golem (8)]
333745 | Zig:18   | Mangled by an iron golem (13 damage)
333782 | Zig:18   | Killed from afar by a crystal echidna (26 damage)
                  | ... with a crystal bolt
333788 | Zig:18   | HP: 6/199 [Hell Sentinel (17)]
333791 | Zig:18   | Killed from afar by a quicksilver elemental (25 damage)
                  | ... with a bolt of dispelling energy
334054 | Zig:18   | Identified the staff of earth "Laip" {Str+4}
334055 | Zig:18   | Identified the staff of cold "Hetest" {rF+ rC+}
334056 | Zig:18   | Identified the staff of death "Jaehunah" {rC+ rN+ Str+5
                  | Int-4 SInv}
334059 | Zig:18   | Identified the +1 pair of boots "Leetzyne" {MP-9 Str+8
                  | Dex+2}
334069 | Zig:18   | Identified the +1 hand axe of the Skies Above {pain, rPois
                  | rF+}
334073 | Zig:18   | Identified the +7 dire flail of the Little People {holy,
                  | Fragile rF+ rN+ Dex+4}
334075 | Zig:18   | Identified the ring of Gagra {*Slow rN+ rCorr MP+9 Str+5}
334078 | Zig:18   | Identified the +8 falchion of Springtime {venom, Str+3
                  | Dex+2}
334080 | Zig:18   | Identified the +2 scimitar of Hituext {drain, rPois rC+
                  | Str-2}
334110 | Zig:18   | Identified the +6 scale mail of Time Monsters {rPois rF+
                  | rN+}
334113 | Zig:18   | Identified the +0 leather armour "Kunax" {rF+}
334158 | Zig:19   | Entered Level 19 of a ziggurat
334158 | Zig:19   | Noticed a dread lich
334159 | Zig:19   | Noticed a dread lich
334159 | Zig:19   | Noticed an ancient lich
334159 | Zig:19   | Noticed an ancient lich
334160 | Zig:19   | Noticed a dread lich
334160 | Zig:19   | Noticed an ancient lich
334160 | Zig:19   | Noticed an ancient lich
334161 | Zig:19   | Noticed a dread lich
334161 | Zig:19   | Noticed an ancient lich
334165 | Zig:19   | Killed an ancient lich
334166 | Zig:19   | Noticed a dread lich
334169 | Zig:19   | Noticed an ancient lich
334170 | Zig:19   | Noticed an ancient lich
334170 | Zig:19   | Noticed a dread lich
334170 | Zig:19   | Noticed a dread lich
334170 | Zig:19   | Noticed a dread lich
334170 | Zig:19   | Noticed a dread lich
334170 | Zig:19   | Noticed a dread lich
334171 | Zig:19   | Killed an ancient lich
334171 | Zig:19   | Killed a dread lich
334172 | Zig:19   | HP: 9/199 [sphinx/divine providence (15)]
334172 | Zig:19   | Slain by a titan (11 damage)
334172 | Zig:19   | Noticed an ancient lich
334175 | Zig:19   | Noticed a dread lich
334178 | Zig:19   | Killed an ancient lich
334181 | Zig:19   | Noticed a dread lich
334181 | Zig:19   | Killed a dread lich
334183 | Zig:19   | Noticed an ancient lich
334183 | Zig:19   | Killed an ancient lich
334183 | Zig:19   | Killed from afar by an ancient lich (32 damage)
                  | ... with a bolt of acid
334184 | Zig:19   | Noticed an ancient lich
334185 | Zig:19   | Killed an ancient lich
334185 | Zig:19   | Killed a dread lich
334187 | Zig:19   | Noticed an ancient lich
334188 | Zig:19   | Noticed a dread lich
334188 | Zig:19   | Noticed an ancient lich
334188 | Zig:19   | Noticed a dread lich
334188 | Zig:19   | Killed a dread lich
334190 | Zig:19   | Killed an ancient lich
334190 | Zig:19   | Killed a dread lich
334194 | Zig:19   | Killed a dread lich
334195 | Zig:19   | Noticed a dread lich
334196 | Zig:19   | Killed a dread lich
334196 | Zig:19   | Killed a dread lich
334196 | Zig:19   | Killed an ancient lich
334197 | Zig:19   | Noticed a dread lich
334197 | Zig:19   | Killed a dread lich
334198 | Zig:19   | Killed an ancient lich
334200 | Zig:19   | Killed from afar by an ancient lich (47 damage)
                  | ... with a crystal spear
334200 | Zig:19   | Noticed a dread lich
334200 | Zig:19   | Noticed an ancient lich
334201 | Zig:19   | Noticed an ancient lich
334202 | Zig:19   | Killed an ancient lich
334203 | Zig:19   | Noticed an ancient lich
334203 | Zig:19   | Killed an ancient lich
334205 | Zig:19   | Noticed a dread lich
334205 | Zig:19   | Noticed a dread lich
334205 | Zig:19   | Noticed a dread lich
334205 | Zig:19   | Noticed a dread lich
334205 | Zig:19   | Noticed a dread lich
334206 | Zig:19   | Noticed a dread lich
334207 | Zig:19   | Killed a dread lich
334208 | Zig:19   | Killed a dread lich
334208 | Zig:19   | Noticed a dread lich
334210 | Zig:19   | Killed a dread lich
334211 | Zig:19   | Noticed an ancient lich
334211 | Zig:19   | Noticed an ancient lich
334211 | Zig:19   | Noticed a dread lich
334212 | Zig:19   | Noticed a dread lich
334212 | Zig:19   | Noticed an ancient lich
334212 | Zig:19   | Noticed an ancient lich
334212 | Zig:19   | Killed a dread lich
334212 | Zig:19   | Killed a dread lich
334212 | Zig:19   | Killed an ancient lich
334212 | Zig:19   | Noticed a dread lich
334214 | Zig:19   | HP: 7/199 [ancient lich (5)]
334216 | Zig:19   | Killed an ancient lich
334217 | Zig:19   | Noticed a dread lich
334217 | Zig:19   | Killed by divine providence
                  | ... invoked by a balrug
                  | ... summoned by a dread lich
                  | (17 damage)
334218 | Zig:19   | Noticed a dread lich
334218 | Zig:19   | Noticed an ancient lich
334218 | Zig:19   | Killed a dread lich
334218 | Zig:19   | Killed an ancient lich
334218 | Zig:19   | Noticed an ancient lich
334219 | Zig:19   | Killed a dread lich
334219 | Zig:19   | Killed a dread lich
334219 | Zig:19   | Killed a dread lich
334220 | Zig:19   | Killed an ancient lich
334220 | Zig:19   | Killed a dread lich
334221 | Zig:19   | Noticed an ancient lich
334222 | Zig:19   | Noticed an ancient lich
334223 | Zig:19   | Killed an ancient lich
334224 | Zig:19   | Killed an ancient lich
334225 | Zig:19   | Killed an ancient lich
334225 | Zig:19   | Killed a dread lich
334225 | Zig:19   | Killed a dread lich
334226 | Zig:19   | Killed a dread lich
334228 | Zig:19   | Killed a dread lich
334229 | Zig:19   | Noticed an ancient lich
334231 | Zig:19   | Killed an ancient lich
334232 | Zig:19   | Noticed a dread lich
334234 | Zig:19   | Noticed an ancient lich
334235 | Zig:19   | Noticed a dread lich
334238 | Zig:19   | Killed a dread lich
334240 | Zig:19   | HP: 6/199 [sphinx/divine providence (14)]
334241 | Zig:19   | Noticed a dread lich
334241 | Zig:19   | Killed an ancient lich
334244 | Zig:19   | Killed an ancient lich
334246 | Zig:19   | Killed a dread lich
334246 | Zig:19   | Killed from afar by an ancient lich (21 damage)
                  | ... with a crystal spear
334246 | Zig:19   | Noticed an ancient lich
334246 | Zig:19   | Killed an ancient lich
334248 | Zig:19   | Killed a dread lich
334250 | Zig:19   | Noticed an ancient lich
334251 | Zig:19   | Noticed a dread lich
334251 | Zig:19   | Killed an ancient lich
334254 | Zig:19   | Killed a dread lich
334257 | Zig:19   | Killed a dread lich
334258 | Zig:19   | Killed an ancient lich
334259 | Zig:19   | Killed by the air
                  | ... invoked by a titan
                  | (23 damage)
334260 | Zig:19   | Killed a dread lich
334262 | Zig:19   | Killed an ancient lich
334263 | Zig:19   | Killed an ancient lich
334270 | Zig:19   | Killed a dread lich
334272 | Zig:19   | Killed an ancient lich
334273 | Zig:19   | Noticed an ancient lich
334276 | Zig:19   | Noticed a dread lich
334276 | Zig:19   | Noticed an ancient lich
334276 | Zig:19   | Noticed an ancient lich
334278 | Zig:19   | Killed a dread lich
334280 | Zig:19   | Noticed an ancient lich
334281 | Zig:19   | Killed a dread lich
334281 | Zig:19   | Noticed a dread lich
334282 | Zig:19   | Noticed an ancient lich
334283 | Zig:19   | Killed from afar by an ancient lich (121 damage)
                  | ... with a crystal spear
334284 | Zig:19   | Noticed an ancient lich
334284 | Zig:19   | Killed an ancient lich
334287 | Zig:19   | Killed a dread lich
334288 | Zig:19   | Noticed an ancient lich
334292 | Zig:19   | Killed an ancient lich
334293 | Zig:19   | Killed an ancient lich
334294 | Zig:19   | Noticed a dread lich
334297 | Zig:19   | Killed a dread lich
334298 | Zig:19   | Noticed a dread lich
334298 | Zig:19   | Noticed a dread lich
334299 | Zig:19   | Noticed an ancient lich
334299 | Zig:19   | Killed a dread lich
334299 | Zig:19   | Noticed a dread lich
334299 | Zig:19   | Noticed a dread lich
334300 | Zig:19   | Killed an ancient lich
334300 | Zig:19   | Killed an ancient lich
334300 | Zig:19   | Killed an ancient lich
334301 | Zig:19   | Noticed an ancient lich
334303 | Zig:19   | Killed an ancient lich
334304 | Zig:19   | Killed a dread lich
334306 | Zig:19   | Noticed a dread lich
334308 | Zig:19   | Killed a dread lich
334309 | Zig:19   | Noticed a dread lich
334311 | Zig:19   | Killed an ancient lich
334313 | Zig:19   | Killed a dread lich
334314 | Zig:19   | Killed an ancient lich
334315 | Zig:19   | Noticed a dread lich
334316 | Zig:19   | Killed a dread lich
334318 | Zig:19   | Noticed an ancient lich
334318 | Zig:19   | Killed an ancient lich
334319 | Zig:19   | Killed a dread lich
334320 | Zig:19   | Noticed a dread lich
334323 | Zig:19   | Killed a dread lich
334329 | Zig:19   | Killed by the air
                  | ... invoked by a titan
                  | (18 damage)
334330 | Zig:19   | Killed a dread lich
334333 | Zig:19   | Killed a dread lich
334344 | Zig:19   | Killed an ancient lich
334346 | Zig:19   | Killed a dread lich
334350 | Zig:19   | HP: 3/199 [golden dragon (17)]
334351 | Zig:19   | Killed from afar by a titan (4 damage)
                  | ... with a bolt of lightning
334379 | Zig:19   | HP: 3/199 [titan/bolt of lightning (10)]
334379 | Zig:19   | Killed from afar by a titan (8 damage)
                  | ... with a bolt of lightning
334644 | Zig:19   | Identified the +8 dagger of Destiny {flame, Stlth+}
334659 | Zig:19   | Identified the ring of the Original Sin {+Blink rN+ Will+
                  | Dex+3}
334662 | Zig:19   | Identified the +2 leather armour "Imunuaja" {Harm Drain rN+
                  | Str+4}
334670 | Zig:19   | Identified the +1 scale mail "Echatz" {-Cast rN+ rCorr
                  | Dex+2}
334678 | Zig:19   | Identified the +9 mace of Xom {drain, Int+2}
334698 | Zig:19   | Identified the ring of Kaciphye {rPois rC+ rN+}
334700 | Zig:19   | Identified the +2 robe of Filth {Int+2}
334703 | Zig:19   | Identified the staff of fire "Mujogauq" {rF+ Str+3 Dex+3}
334706 | Zig:19   | Identified the ring "Ikoedauso" {rF+++ rC- rN+ Str+3
                  | Slay-4}
334793 | Zig:19   | Identified the staff of air "Atem" {rElec Str+2 SInv}
334794 | Zig:19   | Identified the +10 rapier "Reyc" {venom, MP+9}
334795 | Zig:19   | Identified the ring "Zoidghix" {rCorr SInv}
334805 | Zig:19   | Identified the +6 trident of Recklessness {holy, rElec rF-
                  | Stlth+}
334813 | Zig:19   | Identified the amulet "Hexetwue" {Spirit rPois}
334821 | Zig:19   | Identified the +1 robe "Zioch" {rElec rN+ Stlth-}
334829 | Zig:19   | Acquired 841 gold pieces
334834 | Zig:20   | Entered Level 20 of a ziggurat
334838 | Zig:20   | HP: 1/195 [balrug/divine providence (11)]
334838 | Zig:20   | Killed from afar by a balrug (8 damage)
                  | ... with a fireball
334841 | Zig:20   | Killed by divine providence
                  | ... invoked by a balrug
                  | (12 damage)
334843 | Zig:20   | HP: 5/199 [balrug/divine providence (9)]
334844 | Zig:20   | Noticed an ancient lich
334844 | Zig:20   | Mangled by a searing wretch (17 damage)
334845 | Zig:20   | Killed from afar by a hellephant (43 damage)
                  | ... with a blast of flame
334847 | Zig:20   | Mangled by a searing wretch (24 damage)
334850 | Zig:20   | HP: 7/199 [balrug/+0 demon whip (19)]
334850 | Zig:20   | Killed by divine providence
                  | ... invoked by a balrug
                  | (14 damage)
334852 | Zig:20   | Killed by divine providence
                  | ... invoked by a balrug
                  | (11 damage)
334854 | Zig:20   | Noticed an ancient lich
334854 | Zig:20   | Killed by divine providence
                  | ... invoked by a balrug
                  | (15 damage)
334856 | Zig:20   | Slain by a searing wretch (29 damage)
334858 | Zig:20   | Killed by divine providence
                  | ... invoked by a balrug
                  | (12 damage)
334859 | Zig:20   | HP: 7/199 [balrug/bolt of fire (28)]
334859 | Zig:20   | Killed from afar by a balrug (9 damage)
                  | ... with a bolt of fire
334861 | Zig:20   | Killed from afar by a hellephant (83 damage)
                  | ... with a blast of flame
334862 | Zig:20   | Killed by divine providence
                  | ... invoked by a balrug
                  | (12 damage)
334864 | Zig:20   | Killed from afar by a hellion (28 damage)
                  | ... with damnation
334866 | Zig:20   | HP: 6/199 [balrug/divine providence (15)]
334866 | Zig:20   | Killed by divine providence
                  | ... invoked by a balrug
                  | (11 damage)
334867 | Zig:20   | Slain by a searing wretch (7 damage)
334870 | Zig:20   | Killed by divine providence
                  | ... invoked by a balrug
                  | (11 damage)
334873 | Zig:20   | Killed by divine providence
                  | ... invoked by a balrug
                  | (11 damage)
334876 | Zig:20   | Killed by divine providence
                  | ... invoked by a balrug
                  | (12 damage)
334879 | Zig:20   | Slain by a balrug
                  | ... wielding a +0 vampiric demon whip
                  | (26 damage)
334881 | Zig:20   | Slain by a hellephant (16 damage)
334882 | Zig:20   | Killed an ancient lich
334888 | Zig:20   | Killed an ancient lich
334890 | Zig:20   | Killed from afar by a hellephant (20 damage)
                  | ... with a blast of flame
334904 | Zig:20   | Noticed an ancient lich
334904 | Zig:20   | HP: 7/199 [balrug/divine providence (11)]
334905 | Zig:20   | Killed by divine providence
                  | ... invoked by a balrug
                  | (12 damage)
334909 | Zig:20   | Killed from afar by a hellephant (53 damage)
                  | ... with a blast of flame
334917 | Zig:20   | Killed an ancient lich
334917 | Zig:20   | HP: 8/199 [balrug/divine providence (11)]
334918 | Zig:20   | Killed from afar by a Brimstone Fiend (21 damage)
                  | ... with damnation
334921 | Zig:20   | Killed by divine providence
                  | ... invoked by a balrug
                  | (15 damage)
334923 | Zig:20   | Killed from afar by a balrug (58 damage)
                  | ... with a bolt of fire
334928 | Zig:20   | Killed by divine providence
                  | ... invoked by a balrug
                  | (12 damage)
334929 | Zig:20   | HP: 2/199 [balrug/divine providence (14)]
334930 | Zig:20   | Killed from afar by a balrug (7 damage)
                  | ... with a fireball
334936 | Zig:20   | HP: 4/199 [balrug/divine providence (9)]
334938 | Zig:20   | Killed by divine providence
                  | ... invoked by a balrug
                  | (13 damage)
334941 | Zig:20   | Killed by divine providence
                  | ... invoked by a balrug
                  | (11 damage)
334944 | Zig:20   | HP: 7/199 [burnt (3)]
334944 | Zig:20   | Killed from afar by a balrug (22 damage)
                  | ... with a bolt of fire
334949 | Zig:20   | Killed from afar by a hellion (28 damage)
                  | ... with damnation
334951 | Zig:20   | Killed from afar by a hellephant (64 damage)
                  | ... with a blast of flame
334955 | Zig:20   | HP: 5/199 [balrug/fireball (29)]
334956 | Zig:20   | Killed from afar by a balrug (37 damage)
                  | ... with a bolt of fire
334972 | Zig:20   | Killed from afar by a hellion (23 damage)
                  | ... with damnation
334990 | Zig:20   | HP: 8/199 [balrug/+1 demon whip of electrocution (16)]
334996 | Zig:20   | HP: 7/199 [hellephant (5)]
335352 | Zig:20   | Identified the ring of Iridel {rCorr EV+5 Str+3}
335383 | Zig:20   | Identified the +2 hat of Refuge {Stlth+}
335385 | Zig:20   | Identified the amulet of Lilacs {Acrobat -Cast Str+3 Dex+5}
335407 | Zig:20   | Identified the +8 war axe of the Heavens {drain, Str+2}
335408 | Zig:20   | Identified the +1 long sword of Indomitability {freeze,
                  | *Noise rN+ Will+++ Int+2}
335419 | Zig:20   | Identified the +5 hand axe of Intuition {chaos, rElec
                  | Dex+2}
335440 | Zig:20   | Identified the +10 mace of Imbalance {spect, rPois}
335452 | Zig:20   | Identified the amulet "Tycveish" {Reflect rN+ Regen+ Int+2
                  | SH+5}
335461 | Zig:20   | Identified the +4 broad axe "Fuattas" {flame, rN+ rCorr
                  | MP-9 Stlth+}
335482 | Zig:20   | Identified the +5 rapier "Echof" {flame, Will++ Dex+3 SInv}
335485 | Zig:20   | Identified the staff of fire "Demyzet" {Fragile rPois rF+
                  | Int+3 SInv}
335507 | Zig:20   | Identified the staff of death "Elumaoru" {rN+ Will+++ Str-4
                  | Int-3 Dex+4}
335512 | Zig:20   | Identified the staff of earth "Sidyjasyli" {Fly rC- Str+6}
335528 | Zig:21   | Entered Level 21 of a ziggurat
335533 | Zig:21   | Killed from afar by a hellion (40 damage)
                  | ... with damnation
335533 | Zig:21   | Noticed a dread lich
335536 | Zig:21   | Noticed an ancient lich
335537 | Zig:21   | Hit by a Hell Sentinel thrown by iron giant (26 damage)
335539 | Zig:21   | Killed from afar by an iron giant (18 damage)
                  | ... with an iron shot
335541 | Zig:21   | Killed an ancient lich
335543 | Zig:21   | HP: 8/199 [quicksilver elemental (17)]
335543 | Zig:21   | Hit by a quicksilver elemental thrown by iron giant (13
                  | damage)
335544 | Zig:21   | Noticed an ancient lich
335550 | Zig:21   | Noticed a dread lich
335553 | Zig:21   | Demolished by an iron golem (29 damage)
335559 | Zig:21   | Killed a dread lich
335562 | Zig:21   | HP: 6/199 [caustic shrike (12)]
335562 | Zig:21   | HP: 2/199 [acid (4)]
335562 | Zig:21   | Killed an ancient lich
335562 | Zig:21   | Hit by a hellion thrown by iron giant (20 damage)
335569 | Zig:21   | Killed a dread lich
335577 | Zig:21   | HP: 1/199 [iron golem (11)]
335577 | Zig:21   | Mangled by an iron golem (11 damage)
335588 | Zig:21   | HP: 3/199 [iron golem (21)]
335588 | Zig:21   | Mangled by an iron golem (13 damage)
335608 | Zig:21   | Killed from afar by an iron giant (12 damage)
                  | ... with a harpoon shot
335630 | Zig:21   | HP: 3/199 [iron giant/iron golem (9)]
335632 | Zig:21   | Demolished by an iron golem (24 damage)
335643 | Zig:21   | HP: 8/199 [crystal echidna/crystal bolt (8)]
335643 | Zig:21   | Mangled by an iron golem (19 damage)
335663 | Zig:21   | Killed from afar by a Hell Sentinel (42 damage)
                  | ... with an iron shot
335682 | Zig:21   | HP: 3/199 [iron golem (15)]
335683 | Zig:21   | Slain by an iron golem (6 damage)
335701 | Zig:21   | HP: 9/199 [cloud of thunder (5)]
335704 | Zig:21   | Slain by a Hell Sentinel (10 damage)
335729 | Zig:21   | Killed from afar by a crystal echidna (46 damage)
                  | ... with a crystal bolt
335743 | Zig:21   | HP: 8/199 [crystal echidna/crystal bolt (5)]
335744 | Zig:21   | Slain by an iron golem (9 damage)
335757 | Zig:21   | HP: 1/199 [iron golem (11)]
335758 | Zig:21   | Killed from afar by a crystal echidna (9 damage)
                  | ... with a crystal bolt
335820 | Zig:21   | Killed from afar by a quicksilver elemental (20 damage)
                  | ... with a bolt of dispelling energy
336184 | Zig:21   | Identified the ring of Ciarub {Wiz rF+ Dex+2}
336192 | Zig:21   | Identified the amulet "Keluopt" {Spirit rPois Dex+3}
336198 | Zig:21   | Identified the +4 great sword of Dujunito {flame, *Slow
                  | +Blink Will+ Str+6}
336214 | Zig:21   | Identified the +0 robe of the Marlin {rCorr Dex+4}
336217 | Zig:21   | Identified the +3 arbalest of Oducal {antimagic, Will+}
336224 | Zig:21   | Identified the +3 arbalest of Execution {freeze, rElec
                  | Dex+4}
336234 | Zig:21   | Identified the +1 flail "Qaimnoyk" {drain, *Slow rElec rN+}
336254 | Zig:21   | Identified the +3 shortbow of Duty {heavy, Will+ Int+3}
336255 | Zig:21   | Identified the staff of fire "Jekkot" {rF+ rC++ MP-9 Str+3
                  | Stlth+}
336258 | Zig:21   | Identified the ring of Ruegh {*Corrode rC+ Str-5 Int+2
                  | Dex+7}
336260 | Zig:21   | Identified the +10 dagger "Lariuste" {flame, rF+}
336268 | Zig:21   | Identified the +2 glaive of Ufocohar {heavy, rF++ Str-5
                  | Int+3}
336269 | Zig:21   | Identified the +1 ring mail of Buosesk {Rampage rC+}
336285 | Zig:21   | Identified the amulet of Doubt {Acrobat rElec rF- Will+
                  | Str+7}
336290 | Zig:21   | Identified the staff of earth "Ovaj" {*Slow Str+3 Dex+3}
336300 | Zig:22   | Entered Level 22 of a ziggurat
336300 | Zig:22   | Noticed a dread lich
336309 | Zig:22   | Slain by a hellephant (16 damage)
336310 | Zig:22   | Killed a dread lich
336312 | Zig:22   | Killed by divine providence
                  | ... invoked by a balrug
                  | (14 damage)
336314 | Zig:22   | Killed from afar by a hellephant (71 damage)
                  | ... with a blast of flame
336315 | Zig:22   | HP: 5/199 [searing wretch (43)]
336315 | Zig:22   | Killed by divine providence
                  | ... invoked by a balrug
                  | (15 damage)
336317 | Zig:22   | Killed from afar by a hellephant (58 damage)
                  | ... with a blast of flame
336319 | Zig:22   | Killed by divine providence
                  | ... invoked by a balrug
                  | (14 damage)
336319 | Zig:22   | Annihilated by a searing wretch (49 damage)
336320 | Zig:22   | HP: 5/199 [hellephant/blast of flame (78)]
336321 | Zig:22   | Killed by divine providence
                  | ... invoked by a balrug
                  | (13 damage)
336321 | Zig:22   | Killed from afar by a hellephant (82 damage)
                  | ... with a blast of flame
336323 | Zig:22   | Killed by divine providence
                  | ... invoked by a balrug
                  | (11 damage)
336324 | Zig:22   | Slain by a Brimstone Fiend (8 damage)
336325 | Zig:22   | Annihilated by a searing wretch (52 damage)
336326 | Zig:22   | Killed from afar by a hellephant (75 damage)
                  | ... with a blast of flame
336328 | Zig:22   | Killed from afar by a hellephant (100 damage)
                  | ... with a blast of flame
336329 | Zig:22   | HP: 1/199 [balrug/divine providence (12)]
336329 | Zig:22   | Killed by divine providence
                  | ... invoked by a balrug
                  | (12 damage)
336331 | Zig:22   | Killed by divine providence
                  | ... invoked by a balrug
                  | (14 damage)
336333 | Zig:22   | Killed from afar by a balrug (39 damage)
                  | ... with a bolt of fire
336334 | Zig:22   | Killed from afar by a balrug (40 damage)
                  | ... with a bolt of fire
336336 | Zig:22   | Killed from afar by a hellephant (45 damage)
                  | ... with a blast of flame
336338 | Zig:22   | Killed from afar by a hellephant (30 damage)
                  | ... with a blast of flame
336339 | Zig:22   | HP: 9/199 [balrug/+2 demon whip of venom (25)]
336339 | Zig:22   | Killed by divine providence
                  | ... invoked by a balrug
                  | (14 damage)
336340 | Zig:22   | Killed from afar by a hellephant (48 damage)
                  | ... with a blast of flame
336343 | Zig:22   | Killed by divine providence
                  | ... invoked by a balrug
                  | (12 damage)
336344 | Zig:22   | Killed by divine providence
                  | ... invoked by a balrug
                  | (15 damage)
336348 | Zig:22   | Killed by divine providence
                  | ... invoked by a balrug
                  | (15 damage)
336350 | Zig:22   | HP: 2/199 [balrug/bolt of fire (18)]
336350 | Zig:22   | Killed by divine providence
                  | ... invoked by a balrug
                  | (13 damage)
336352 | Zig:22   | Killed by divine providence
                  | ... invoked by a balrug
                  | (12 damage)
336355 | Zig:22   | Killed from afar by a hellephant (39 damage)
                  | ... with a blast of flame
336360 | Zig:22   | Killed by divine providence
                  | ... invoked by a balrug
                  | (13 damage)
336362 | Zig:22   | HP: 5/199 [balrug/divine providence (10)]
336363 | Zig:22   | Killed from afar by a balrug (16 damage)
                  | ... with a bolt of fire
336365 | Zig:22   | Slain by a Brimstone Fiend (7 damage)
336367 | Zig:22   | Killed from afar by a hellephant (72 damage)
                  | ... with a blast of flame
336370 | Zig:22   | Killed from afar by a Brimstone Fiend (35 damage)
                  | ... with damnation
336371 | Zig:22   | HP: 1/199 [balrug/divine providence (17)]
336371 | Zig:22   | Mangled by a searing wretch (8 damage)
336373 | Zig:22   | Killed by divine providence
                  | ... invoked by a balrug
                  | (10 damage)
336375 | Zig:22   | Killed from afar by a hellephant (55 damage)
                  | ... with a blast of flame
336379 | Zig:22   | Killed by divine providence
                  | ... invoked by a balrug
                  | (13 damage)
336380 | Zig:22   | HP: 8/199 [balrug/divine providence (7)]
336381 | Zig:22   | Killed by divine providence
                  | ... invoked by a balrug
                  | (10 damage)
336382 | Zig:22   | Killed by divine providence
                  | ... invoked by a balrug
                  | (14 damage)
336385 | Zig:22   | HP: 9/199 [??? (1)]
336386 | Zig:22   | Killed from afar by a balrug (58 damage)
                  | ... with a fireball
336387 | Zig:22   | Killed by divine providence
                  | ... invoked by a balrug
                  | (12 damage)
336389 | Zig:22   | Killed by divine providence
                  | ... invoked by a balrug
                  | (13 damage)
336390 | Zig:22   | HP: 7/199 [Brimstone Fiend (5)]
336390 | Zig:22   | Killed by divine providence
                  | ... invoked by a balrug
                  | (11 damage)
336391 | Zig:22   | HP: 2/199 [hellephant/blast of flame (34)]
336391 | Zig:22   | Killed from afar by a Brimstone Fiend (17 damage)
                  | ... with damnation
336393 | Zig:22   | Killed by divine providence
                  | ... invoked by a balrug
                  | (14 damage)
336395 | Zig:22   | Mangled by a searing wretch (42 damage)
336398 | Zig:22   | Killed by divine providence
                  | ... invoked by a balrug
                  | (15 damage)
336399 | Zig:22   | Killed from afar by a balrug (19 damage)
                  | ... with a bolt of fire
336402 | Zig:22   | Killed from afar by a balrug (73 damage)
                  | ... with a bolt of fire
336405 | Zig:22   | HP: 2/171 [balrug/divine providence (12)]
336406 | Zig:22   | Incinerated by a balrug (6 damage)
                  | ... with a sticky flame
336411 | Zig:22   | Killed from afar by a Brimstone Fiend (48 damage)
                  | ... with damnation
336425 | Zig:22   | Mangled by a hellephant (18 damage)
336431 | Zig:22   | HP: 8/199 [burnt (2)]
336432 | Zig:22   | HP: 2/199 [burnt (6)]
336433 | Zig:22   | Incinerated by a balrug (3 damage)
                  | ... with a sticky flame
336438 | Zig:22   | Mangled by a balrug
                  | ... wielding a +3 demon whip of venom
                  | (20 damage)
336450 | Zig:22   | Killed from afar by a Brimstone Fiend (28 damage)
                  | ... with damnation
336743 | Zig:22   | Identified the staff of death "Fuath" {rN+ Stlth+}
336748 | Zig:22   | Identified the +0 leather armour of Dramatic Exits {rElec
                  | rN+ Will-}
336753 | Zig:22   | Identified the +5 flail "Seijonu" {distort, *Noise rElec
                  | rF+ Dex+3}
336762 | Zig:22   | Identified the staff of air "Gyubla Pola" {Fly rElec Str+4}
336772 | Zig:22   | Identified the +7 falchion of Miuba {pain, rF+ SInv}
336778 | Zig:22   | Identified the +0 kite shield of Kindness {rElec rF++ rCorr
                  | Dex-5}
336783 | Zig:22   | Identified the staff of fire "Rinn" {rF+ Int+5}
336786 | Zig:22   | Identified the amulet "Tuosomax" {Acrobat rPois Will++
                  | Int-2 Stlth+}
336802 | Zig:22   | Identified the +7 whip "Dirphew" {drain, Drain rF- Dex+6
                  | SInv}
336828 | Zig:22   | Identified the +10 hand axe of the Poles {spect, Contam
                  | rPois Str+3}
336837 | Zig:22   | Identified the ring of Nalun {rN++ MP+9 Int+2 Stlth+}
336847 | Zig:22   | Identified the +10 rapier of Ikhlos Ceyle {flame, rN++
                  | rCorr}
336872 | Zig:23   | Entered Level 23 of a ziggurat
336881 | Zig:23   | HP: 9/199 [merfolk javelineer/silver javelin (1)]
336883 | Zig:23   | HP: 4/171 [merfolk javelineer/silver javelin (1)]
336883 | Zig:23   | Shot with an arrow by a deep elf master archer (13 damage)
336892 | Zig:23   | HP: 8/199 [deep elf master archer/arrow (18)]
336893 | Zig:23   | HP: 2/199 [centaur warrior/arrow (4)]
336893 | Zig:23   | Shot with an arrow by a deep elf master archer (18 damage)
336919 | Zig:23   | Shot with an arrow by a deep elf master archer (28 damage)
336947 | Zig:23   | Shot with an arrow by a deep elf master archer (17 damage)
336968 | Zig:23   | HP: 7/199 [yaktaur captain/bolt (3)]
336972 | Zig:23   | HP: 2/199 [merfolk javelineer/silver javelin (4)]
336972 | Zig:23   | Shot with an arrow by a centaur warrior (1 damage)
336993 | Zig:23   | Shot with an arrow by a deep elf master archer (28 damage)
337010 | Zig:23   | HP: 7/199 [yaktaur/bolt (9)]
337010 | Zig:23   | HP: 1/199 [cyclops/large rock (5)]
337011 | Zig:23   | Hit by a silver javelin thrown by a merfolk javelineer (1
                  | damage)
337204 | Zig:23   | Identified the ring of Tejeq {Fly rElec rF+ Slay+3}
337211 | Zig:23   | Identified the +8 morningstar "Raickeit" {heavy, Str-4
                  | Dex+4 Stlth+}
337228 | Zig:23   | Identified the staff of death "Nigobloj" {rElec rN+ Dex+2}
337242 | Zig:24   | Entered Level 24 of a ziggurat
337268 | Zig:24   | Slain by a caustic shrike (14 damage)
337318 | Zig:24   | Killed from afar by a hellephant (25 damage)
                  | ... with a blast of flame
337335 | Zig:25   | Entered Level 25 of a ziggurat
337345 | Zig:25   | Noticed an ancient lich
337347 | Zig:25   | Noticed an ancient lich
337355 | Zig:25   | Noticed a dread lich
337358 | Zig:25   | Killed an ancient lich
337363 | Zig:25   | HP: 9/199 [??? (1)]
337366 | Zig:25   | Mangled by a spectral alligator snapping turtle (17 damage)
                  | ... called from beyond by a revenant
337366 | Zig:25   | Noticed a dread lich
337367 | Zig:25   | Noticed an ancient lich
337368 | Zig:25   | Killed an ancient lich
337370 | Zig:25   | Noticed a dread lich
337373 | Zig:25   | Noticed a dread lich
337375 | Zig:25   | Killed a dread lich
337387 | Zig:25   | Noticed an ancient lich
337388 | Zig:25   | Noticed a dread lich
337389 | Zig:25   | HP: 7/199 [ancient champion/iron shot (24)]
337392 | Zig:25   | Killed a dread lich
337394 | Zig:25   | Slain by a profane servitor
                  | ... wielding a +3 whip
                  | (11 damage)
337395 | Zig:25   | Killed a dread lich
337396 | Zig:25   | Noticed a dread lich
337396 | Zig:25   | Noticed a dread lich
337397 | Zig:25   | Noticed an ancient lich
337404 | Zig:25   | Noticed a dread lich
337404 | Zig:25   | Killed a dread lich
337404 | Zig:25   | Killed a dread lich
337405 | Zig:25   | Killed an ancient lich
337405 | Zig:25   | Noticed an ancient lich
337420 | Zig:25   | Killed a dread lich
337420 | Zig:25   | Killed an ancient lich
337421 | Zig:25   | Killed an ancient lich
337422 | Zig:25   | Killed a dread lich
337435 | Zig:25   | Killed an ancient lich
337435 | Zig:25   | HP: 7/199 [jiangshi[a curse skull] (11)]
337438 | Zig:25   | Slain by a profane servitor
                  | ... wielding a +3 whip of flaming
                  | (10 damage)
337461 | Zig:25   | HP: 7/199 [bone dragon (6)]
337465 | Zig:25   | Noticed a dread lich
337465 | Zig:25   | Noticed an ancient lich
337466 | Zig:25   | HP: 3/199 [cloud of thunder (6)]
337468 | Zig:25   | Noticed an ancient lich
337471 | Zig:25   | Noticed a dread lich
337474 | Zig:25   | Mangled by a revenant (12 damage)
337478 | Zig:25   | Noticed a dread lich
337482 | Zig:25   | Noticed an ancient lich
337490 | Zig:25   | Killed an ancient lich
337491 | Zig:25   | Noticed an ancient lich
337492 | Zig:25   | Killed an ancient lich
337494 | Zig:25   | Killed a dread lich
337495 | Zig:25   | Slain by a profane servitor
                  | ... wielding a +3 demon whip of electrocution
                  | (15 damage)
337504 | Zig:25   | Noticed an ancient lich
337507 | Zig:25   | Killed a dread lich
337510 | Zig:25   | Slain by a juggernaut simulacrum (16 damage)
                  | ... summoned by a curse skull
337514 | Zig:25   | Killed an ancient lich
337515 | Zig:25   | Killed a dread lich
337520 | Zig:25   | Noticed an ancient lich
337526 | Zig:25   | HP: 2/199 [profane servitor/+2 demon whip (8)]
337529 | Zig:25   | Mangled by a profane servitor
                  | ... wielding a +2 demon whip
                  | (12 damage)
337530 | Zig:25   | Noticed an ancient lich
337534 | Zig:25   | Noticed a dread lich
337540 | Zig:25   | Killed an ancient lich
337541 | Zig:25   | Noticed a dread lich
337543 | Zig:25   | Noticed an ancient lich
337545 | Zig:25   | Killed an ancient lich
337545 | Zig:25   | Noticed a dread lich
337545 | Zig:25   | Noticed a dread lich
337546 | Zig:25   | Killed from afar by an ancient lich (18 damage)
                  | ... with a bolt of acid
337552 | Zig:25   | Killed an ancient lich
337557 | Zig:25   | HP: 5/199 [bone dragon (9)]
337557 | Zig:25   | Noticed an ancient lich
337559 | Zig:25   | Killed an ancient lich
337565 | Zig:25   | Killed a dread lich
337567 | Zig:25   | Killed an ancient lich
337568 | Zig:25   | HP: 5/199 [profane servitor/+3 demon whip (4)]
337573 | Zig:25   | Slain by a bone dragon (12 damage)
337574 | Zig:25   | Killed a dread lich
337582 | Zig:25   | Killed a dread lich
337586 | Zig:25   | Killed an ancient lich
337588 | Zig:25   | Killed a dread lich
337600 | Zig:25   | Noticed an ancient lich
337607 | Zig:25   | Mangled by a spectral juggernaut (29 damage)
                  | ... summoned by a curse skull
337607 | Zig:25   | Noticed a dread lich
337616 | Zig:25   | Noticed an ancient lich
337619 | Zig:25   | HP: 9/199 [spore (3)]
337623 | Zig:25   | Killed an ancient lich
337627 | Zig:25   | HP: 9/199 [??? (1)]
337632 | Zig:25   | Noticed a dread lich
337636 | Zig:25   | HP: 7/199 [ancient lich (1)]
337637 | Zig:25   | HP: 2/199 [bone dragon (6)]
337649 | Zig:25   | Killed an ancient lich
337657 | Zig:25   | Killed a dread lich
337657 | Zig:25   | HP: 4/199 [spore (5)]
337657 | Zig:25   | Slain by a profane servitor
                  | ... wielding a +3 demon whip
                  | (8 damage)
337668 | Zig:25   | Killed a dread lich
337670 | Zig:25   | HP: 7/199 [spore (4)]
337676 | Zig:25   | Slain by a profane servitor
                  | ... wielding a +1 whip
                  | (9 damage)
337686 | Zig:25   | HP: 6/199 [eidolon (5)]
337689 | Zig:25   | Killed by an exploding eidolon (9 damage)
                  | ... ignited by their inner flame
337700 | Zig:25   | HP: 4/199 [profane servitor/+2 demon whip (9)]
337703 | Zig:25   | Mangled by a profane servitor
                  | ... wielding a +2 demon whip
                  | (9 damage)
337717 | Zig:25   | HP: 9/199 [spore (4)]
337718 | Zig:25   | Slain by a bone dragon (8 damage)
337735 | Zig:25   | HP: 7/199 [bone dragon (5)]
337737 | Zig:25   | Slain by a bone dragon (13 damage)
337753 | Zig:25   | HP: 3/199 [bone dragon (15)]
337756 | Zig:25   | HP: 1/199 [bone dragon (2)]
337757 | Zig:25   | Killed by an exploding curse skull (7 damage)
                  | ... ignited by their inner flame
337777 | Zig:25   | HP: 7/199 [jiangshi[a curse skull] (5)]
337785 | Zig:25   | Mangled by a phantasmal warrior (13 damage)
337796 | Zig:25   | Paralysed by a vampire knight for 2 turns
337798 | Zig:25   | HP: 3/199 [ancient champion/+0 great sword (10)]
337800 | Zig:25   | Killed by an exploding curse skull (2 damage)
                  | ... ignited by their inner flame
337813 | Zig:25   | HP: 6/199 [iron dragon skeleton[a curse skull] (10)]
337815 | Zig:25   | Killed by an exploding caustic shrike zombie (11 damage)
                  | ... ignited by their inner flame
337829 | Zig:25   | HP: 3/199 [spectral juggernaut[a curse skull] (10)]
337832 | Zig:25   | Killed by an exploding spectral spriggan defender (10
                  | damage)
                  | ... ignited by their inner flame
337838 | Zig:25   | HP: 7/199 [vampire[a curse skull] (8)]
337842 | Zig:25   | Mangled by a vampire knight
                  | ... wielding a +0 great mace
                  | (16 damage)
337843 | Zig:25   | Paralysed by a vampire knight for 2 turns
337862 | Zig:25   | Slain by a shadow wraith (14 damage)
                  | ... summoned by a curse skull
337905 | Zig:25   | HP: 7/199 [flayed ghost (11)]
337909 | Zig:25   | Mangled by an ancient champion
                  | ... wielding a +3 great sword of draining
                  | (19 damage)
338144 | Zig:25   | Identified the staff of fire "Fekiteri" {rF+ rC+ Str+5}
338157 | Zig:25   | Identified the +1 leather armour "Osaetyd" {Str+3}
338166 | Zig:25   | Identified the +3 broad axe of Wyrd {holy, rElec}
338168 | Zig:25   | Identified the -2 helmet of Hyraly {Str+3 SInv}
338169 | Zig:25   | Identified the ring "Bahoucic" {rPois Will+}
338178 | Zig:25   | Identified the ring "Xiotesoi" {Fly Will+ Str-5 Int+5}
338191 | Zig:25   | Identified the +0 robe of Xeyfud {rPois Will- MP+9 Int+8}
338195 | Zig:25   | Identified the +9 falchion of the Depths {flame, Drain
                  | Will- Str+8 Stlth+}
338201 | Zig:25   | Identified the +8 whip of the Seventy-Seven Yaks {venom,
                  | rN+}
338233 | Zig:25   | Identified the ring of Ashenzari, Feeding {rElec rF+ Int+6}
338236 | Zig:25   | Identified the +6 glaive "Xiriq" {heavy, Str+7}
338247 | Zig:25   | Identified the ring "Pidaadgh" {Ice Stlth+}
338252 | Zig:25   | Identified the ring of Fazebri {rF+ Will+}
338267 | Zig:25   | Identified the ring "Xoetuopt" {Str+6 Slay+4}
338285 | Zig:25   | Identified the ring of Gaywn {rN+ Int+2}
338286 | Zig:25   | Identified the staff of poison "Deohofis" {rPois Str+5}
338294 | Zig:25   | Identified the staff of poison "Joekuiga" {rPois Int+5}
338295 | Zig:25   | Identified the +11 trident of Urgency {heavy, Dex+2 Stlth+}
338298 | Zig:25   | Identified the amulet "Isirew" {Spirit *Corrode Int-3 Dex+8
                  | Stlth+}
338301 | Zig:25   | Identified the +3 robe of the Sea {Dex+6}
338308 | Zig:25   | Identified the +2 plate armour of Fashionability {+Blink
                  | rN+}
338319 | Zig:25   | Identified the +10 glaive of the Grinning Gods {heavy, rN+}
338322 | Zig:25   | Identified the ring of Siess {Wiz Str-5 Int+9}
338334 | Zig:26   | Entered Level 26 of a ziggurat
338350 | Zig:26   | Killed from afar by an iron giant (48 damage)
                  | ... with an iron shot
338358 | Zig:26   | Killed from afar by a Hell Sentinel (68 damage)
                  | ... with an iron shot
338370 | Zig:26   | HP: 3/199 [iron golem (19)]
338371 | Zig:26   | Hit by a Hell Sentinel thrown by iron giant (17 damage)
338396 | Abyss:6  | Cast into level 6 of the Abyss (war gargoyle)
338407 | Abyss:6  | Killed by an exploding tentacled monstrosity (49 damage)
                  | ... ignited by their inner flame
338427 | Abyss:6  | Paralysed by accursed screaming for 2 turns
338458 | Abyss:6  | Paralysed by accursed screaming for 1 turns
338460 | Zig:26   | Escaped the Abyss
338460 | Zig:26   | HP: 7/199 [war gargoyle/runed morningstar (11)]
338464 | Zig:26   | Noticed a dread lich
338464 | Zig:26   | Slain by an iron golem (11 damage)
338485 | Zig:26   | Hit by a Hell Sentinel thrown by iron giant (14 damage)
338499 | Zig:26   | Killed a dread lich
338519 | Zig:26   | HP: 7/199 [Hell Sentinel/iron shot (35)]
338522 | Zig:26   | Demolished by an iron golem (20 damage)
338541 | Zig:26   | Slain by an iron golem (20 damage)
338554 | Zig:26   | Noticed an ancient lich
338557 | Zig:26   | Noticed an ancient lich
338566 | Zig:26   | Killed an ancient lich
338570 | Zig:26   | Slain by an iron golem (18 damage)
338573 | Zig:26   | Killed an ancient lich
338587 | Zig:26   | Killed from afar by a Hell Sentinel (43 damage)
                  | ... with damnation
338604 | Zig:26   | HP: 1/199 [iron golem (18)]
338605 | Zig:26   | Killed from afar by an ancient champion (43 damage)
                  | ... with an iron shot
338630 | Zig:26   | HP: 4/199 [iron golem (12)]
338630 | Zig:26   | HP: 1/199 [iron golem (3)]
338630 | Zig:26   | Demolished by an iron golem (18 damage)
338650 | Zig:26   | HP: 7/199 [quicksilver elemental/bolt of dispelling energy
                  | (50)]
338650 | Zig:26   | Hit by an iron golem thrown by iron giant (12 damage)
338660 | Zig:26   | Killed from afar by a Hell Sentinel (42 damage)
                  | ... with damnation
338681 | Zig:26   | Killed from afar by a hellion (37 damage)
                  | ... with damnation
338698 | Zig:26   | HP: 3/199 [iron golem (17)]
338699 | Zig:26   | Mangled by a quicksilver elemental (12 damage)
338716 | Zig:26   | Hit by a war gargoyle thrown by iron giant (16 damage)
338740 | Zig:26   | HP: 4/199 [iron golem (12)]
338742 | Zig:26   | Demolished by an iron golem (20 damage)
338766 | Zig:26   | Slain by an iron golem (24 damage)
338787 | Zig:26   | Mangled by an iron golem (18 damage)
338802 | Zig:26   | Slain by an iron golem (25 damage)
338811 | Zig:26   | Killed from afar by a crystal echidna (22 damage)
                  | ... with a crystal bolt
338820 | Zig:26   | Slain by an iron golem (14 damage)
338898 | Zig:26   | Killed from afar by a quicksilver elemental (26 damage)
                  | ... with a bolt of dispelling energy
338957 | Zig:26   | Killed from afar by a quicksilver elemental (32 damage)
                  | ... with a bolt of dispelling energy
338989 | Zig:26   | HP: 4/199 [quicksilver elemental/bolt of dispelling energy
                  | (13)]
339426 | Zig:26   | Identified the +8 sling "Zunlusyl" {heavy, Contam rElec
                  | Dex+3}
339430 | Zig:26   | Identified the +3 spear of the Puffin {distort, rN+ Dex+3}
339439 | Zig:26   | Identified the +4 dagger of Jialatz Zere {flame, rCorr}
339494 | Zig:26   | Identified the staff of earth "Ifratiob" {Str+9 Stlth-}
339530 | Zig:26   | Identified the +8 whip of the Tent {drain, rCorr Int+3
                  | Dex-5}
339531 | Zig:26   | Identified the +4 halberd of the Bouncing Seas {speed,
                  | Contam Str+3}
339535 | Zig:26   | Identified the +7 glaive of Starshine {heavy, *Noise +Blink
                  | rN+}
339542 | Zig:26   | Identified the +10 trident of the Sugar Beet {freeze, rElec
                  | Str+3 Stlth+}
339563 | Zig:26   | Identified the +1 quarterstaff of Qazlal's Supremacy
                  | {freeze, Fly rElec Str-5}
339571 | Zig:26   | Identified the +10 chain mail "Wap Woel" {*Slow Will++
                  | Slay+3}
339580 | Zig:27   | Entered Level 27 of a ziggurat
339590 | Zig:27   | HP: 1/199 [titan/bolt of lightning (9)]
339590 | Zig:27   | Mangled by a storm dragon (7 damage)
339592 | Zig:27   | Paralysed by an air elemental for 1 turns
339594 | Zig:27   | Killed from afar by an electric golem (7 damage)
                  | ... with a bolt of lightning
339600 | Zig:27   | HP: 7/199 [storm dragon/bolt of lightning (5)]
339601 | Zig:27   | HP: 3/199 [shock serpent/bolt of electricity (4)]
339601 | Zig:27   | Killed from afar by an electric golem (5 damage)
                  | ... with a bolt of lightning
339602 | Zig:27   | Paralysed by an air elemental for 1 turns
339604 | Zig:27   | Killed from afar by an electric golem (5 damage)
                  | ... with a bolt of lightning
339609 | Zig:27   | HP: 5/199 [electric golem/bolt of lightning (7)]
339609 | Zig:27   | Killed from afar by a storm dragon (6 damage)
                  | ... with a bolt of lightning
339616 | Zig:27   | HP: 9/199 [storm dragon/bolt of lightning (9)]
339616 | Zig:27   | HP: 3/199 [spriggan air mage/the air (6)]
339616 | Zig:27   | Killed from afar by an electric golem (7 damage)
                  | ... with a bolt of lightning
339622 | Zig:27   | HP: 9/199 [storm dragon/bolt of lightning (4)]
339622 | Zig:27   | HP: 3/199 [electric golem/bolt of lightning (5)]
339622 | Zig:27   | Killed from afar by an electric golem (8 damage)
                  | ... with a bolt of lightning
339641 | Zig:27   | HP: 5/199 [electric golem (5)]
339641 | Zig:27   | Killed from afar by a storm dragon (6 damage)
                  | ... with a bolt of lightning
339657 | Zig:27   | HP: 5/199 [spriggan air mage/bolt of lightning (9)]
339657 | Zig:27   | Killed from afar by an electric golem (5 damage)
                  | ... with a bolt of lightning
339699 | Zig:27   | Killed from afar by a titan (14 damage)
                  | ... with a bolt of lightning
339730 | Zig:27   | HP: 9/199 [spriggan air mage/bolt of lightning (7)]
339731 | Zig:27   | Killed from afar by a spriggan air mage (10 damage)
                  | ... with a bolt of lightning
339750 | Zig:27   | Paralysed by an air elemental for 1 turns
339758 | Zig:27   | Paralysed by an air elemental for 1 turns
339775 | Zig:27   | Paralysed by an air elemental for 1 turns
339794 | Zig:27   | HP: 6/199 [electric golem/bolt of lightning (6)]
339799 | Zig:27   | HP: 3/189 [electric golem/bolt of lightning (5)]
339800 | Zig:27   | Killed from afar by a titan (4 damage)
                  | ... with a bolt of lightning
339826 | Zig:27   | Killed by the air
                  | ... invoked by a spriggan air mage
                  | (32 damage)
339864 | Zig:27   | Paralysed by an air elemental for 1 turns
339900 | Zig:27   | HP: 2/199 [electric golem/bolt of lightning (13)]
339902 | Zig:27   | Killed by the air
                  | ... invoked by a titan
                  | (23 damage)
340203 | Zig:27   | Identified the +6 scimitar "Ubuim" {drain, rN+ Str+2 Int+3}
340214 | Zig:27   | Identified the +6 dagger "Piybetog" {antimagic, Int+4}
340221 | Zig:27   | Identified the ring "Boojij" {Ice rElec rPois Str-3}
340237 | Zig:27   | Identified the +6 ring mail of the Jabberwock {Int+4}
340255 | Zig:27   | Identified the +0 scale mail of Honour {Str+2}
340256 | Zig:27   | Identified the staff of earth "Poibb" {rF+ Str+2 SInv}
340288 | Zig:27   | Identified the +0 leather armour of the Camelopard {+Blink
                  | Int+2 Dex-4 SInv}
340299 | Zig:27   | Identified the +9 sling of the Reaper {freeze, rC+ Will+
                  | Str-2}
340302 | Zig:27   | Identified the staff of fire "Wiofuiby" {rElec rF+ Int-2
                  | Dex+6}
340303 | Zig:27   | Identified the ring of Attitude {Will+ EV+5}
340307 | Zig:27   | Identified the +4 plate armour of the Spider Nest {+Blink
                  | rF- Regen+ Slay+5}
340316 | Zig:27   | Identified the +2 robe of Melancholy {Rampage rC- Will+
                  | rCorr}
340337 | Zig:27   | Identified the staff of fire "Raduze" {rF+ rN+}
340340 | Zig:27   | Identified the +5 demon blade of Midwinter {chaos, rPois}
340354 | Zig:27   | Identified the +8 war axe "Gasuem" {speed, rElec rC- MP+9
                  | Dex+4}
340732 | D:4      | Fell from the grace of Ru
340732 | D:4      | Became a worshipper of Fedhas Madash
341074 | Depths:4 | Acquired the +0 crystal plate armour of the Thirteen Realms
                  | {rElec Str+2 Int-3}
341086 | Zig:1    | Entered Level 1 of a ziggurat
341103 | Zig:1    | Slain by an acid blob (15 damage)
                  | ... summoned by a demonspawn corrupter
341111 | Zig:1    | Slain by a bone dragon (17 damage)
341111 | Zig:1    | Paralysed by accursed screaming for 2 turns
341115 | Zig:1    | Reached * piety under Fedhas
341126 | Zig:1    | Paralysed by accursed screaming for 1 turns
341532 | Zig:2    | Entered Level 2 of a ziggurat
341541 | Zig:2    | Reached ** piety under Fedhas
341696 | Zig:3    | Entered Level 3 of a ziggurat
341696 | Zig:3    | Noticed Ifocock the pandemonium lord
341696 | Zig:3    | Noticed Ybrinagh the pandemonium lord
341696 | Zig:3    | Noticed Kunkiev the pandemonium lord
341696 | Zig:3    | Noticed Taropn the pandemonium lord
341696 | Zig:3    | Noticed Idadei the pandemonium lord
341696 | Zig:3    | Noticed Citaigg the pandemonium lord
341696 | Zig:3    | Noticed Xeit the pandemonium lord
341696 | Zig:3    | Noticed Dyraulum the pandemonium lord
341696 | Zig:3    | Noticed Monluani the pandemonium lord
341696 | Zig:3    | Noticed Iluyduu the pandemonium lord
341696 | Zig:3    | Noticed Ruoshaer the pandemonium lord
341696 | Zig:3    | Noticed Potamuis the pandemonium lord
341696 | Zig:3    | Noticed Riotuv the pandemonium lord
341696 | Zig:3    | Noticed Anauty the pandemonium lord
341696 | Zig:3    | Noticed Wiowiq the pandemonium lord
341696 | Zig:3    | Noticed Ruoha the pandemonium lord
341696 | Zig:3    | Noticed Reuh the pandemonium lord
341696 | Zig:3    | Noticed Girghyit the pandemonium lord
341696 | Zig:3    | Noticed Useach the pandemonium lord
341696 | Zig:3    | Noticed Usup the pandemonium lord
341697 | Zig:3    | Noticed Cozaoc the pandemonium lord
341697 | Zig:3    | Noticed Ifefiask the pandemonium lord
341697 | Zig:3    | Noticed Wuafiugg the pandemonium lord
341697 | Zig:3    | Noticed Ceafyguc the pandemonium lord
341697 | Zig:3    | Noticed Ufigrar the pandemonium lord
341698 | Zig:3    | Killed Potamuis the pandemonium lord
341698 | Zig:3    | Killed Anauty the pandemonium lord
341699 | Zig:3    | Noticed Qiliraes the pandemonium lord
341701 | Zig:3    | Killed Girghyit the pandemonium lord
341701 | Zig:3    | Reached *** piety under Fedhas
341702 | Zig:3    | Noticed Joll the pandemonium lord
341702 | Zig:3    | Killed Useach the pandemonium lord
341704 | Zig:3    | Mangled by Wiowiq the pandemonium lord (29 damage)
341705 | Zig:3    | Killed Ruoshaer the pandemonium lord
341706 | Zig:3    | Killed Taropn the pandemonium lord
341706 | Abyss:6  | Cast into level 6 of the Abyss (Ruoha)
341766 | Abyss:6  | HP: 2/199 [starcursed mass/accursed screaming (8)]
341768 | Abyss:6  | Killed by an exploding ballistomycete spore (16 damage)
                  | ... set off by their pet
341823 | Abyss:6  | HP: 4/199 [large abomination (21)]
341832 | Abyss:6  | Reached **** piety under Fedhas
341836 | Abyss:6  | Killed by an exploding ballistomycete spore (34 damage)
                  | ... set off by their pet
341879 | Abyss:6  | Reached ***** piety under Fedhas
341894 | Zig:3    | Escaped the Abyss
341897 | Zig:3    | Killed Wiowiq the pandemonium lord
341898 | Zig:3    | HP: 5/199 [Ifocock the pandemonium lord] (9)]
341898 | Zig:3    | Demolished by Ifocock the pandemonium lord (22 damage)
341900 | Zig:3    | Killed Ufigrar the pandemonium lord
341900 | Zig:3    | Killed Kunkiev the pandemonium lord
341902 | Zig:3    | Killed Ybrinagh the pandemonium lord
341902 | Zig:3    | Killed Ruoha the pandemonium lord
341902 | Zig:3    | Killed Wuafiugg the pandemonium lord
341903 | Zig:3    | Killed Usup the pandemonium lord
341903 | Zig:3    | Killed Citaigg the pandemonium lord
341904 | Zig:3    | Killed Xeit the pandemonium lord
341905 | Zig:3    | Killed Monluani the pandemonium lord
341905 | Zig:3    | Killed Ifocock the pandemonium lord
341906 | Zig:3    | Killed Dyraulum the pandemonium lord
341906 | Zig:3    | Killed Ifefiask the pandemonium lord
341907 | Zig:3    | Killed Cozaoc the pandemonium lord
341908 | Zig:3    | Killed Idadei the pandemonium lord
341908 | Zig:3    | Killed Riotuv the pandemonium lord
341911 | Zig:3    | Killed Joll the pandemonium lord
341912 | Zig:3    | Killed Qiliraes the pandemonium lord
341916 | Zig:3    | Killed Reuh the pandemonium lord
341917 | Zig:3    | Killed Iluyduu the pandemonium lord
341917 | Zig:3    | Killed from afar by Ceafyguc the pandemonium lord (36
                  | damage)
                  | ... with a harpoon shot
341922 | Zig:3    | Killed Ceafyguc the pandemonium lord
342252 | Zig:3    | Identified the +3 ring mail of the Lair of Beasts {rF++
                  | Stlth-}
342274 | Zig:4    | Entered Level 4 of a ziggurat
342282 | Zig:4    | Slain by an Executioner (18 damage)
342286 | Zig:4    | Killed from afar by a hellion (28 damage)
                  | ... with damnation
342286 | Zig:4    | Noticed Ompet the pandemonium lord
342290 | Zig:4    | Killed from afar by a hellion (30 damage)
                  | ... with damnation
342297 | Zig:4    | Mangled by a Hell Sentinel (22 damage)
342299 | Zig:4    | Killed from afar by a Hell Sentinel (39 damage)
                  | ... with damnation
342304 | Zig:4    | Paralysed by a floating eye for 2 turns
342308 | Zig:4    | HP: 6/199 [balrug/divine providence (9)]
342309 | Zig:4    | Slain by a Hell Sentinel (8 damage)
342310 | Zig:4    | Paralysed by a floating eye for 2 turns
342312 | Zig:4    | Killed from afar by a Hell Sentinel (62 damage)
                  | ... with an iron shot
                  | ... while paralysed by a floating eye
342315 | Zig:4    | Paralysed by a floating eye for 3 turns
342315 | Zig:4    | HP: 6/199 [demonspawn black sun/+1 demon trident of flaming
                  | (10)]
342316 | Zig:4    | Slain by a demonspawn black sun
                  | ... wielding a +0 demon trident
                  | (9 damage)
                  | ... while paralysed by a floating eye
342318 | Zig:4    | Slain by a Hell Sentinel (7 damage)
                  | ... while paralysed by a floating eye
342324 | Zig:4    | Killed from afar by a hellion (22 damage)
                  | ... with damnation
342324 | Zig:4    | Paralysed by a floating eye for 3 turns
342326 | Zig:4    | HP: 7/199 [demonspawn black sun/+1 demon trident of flaming
                  | (7)]
342326 | Zig:4    | HP: 3/199 [demonspawn black sun/+1 demon trident of flaming
                  | (4)]
342326 | Zig:4    | Slain by a demonspawn corrupter
                  | ... wielding a +1 vampiric demon trident
                  | (5 damage)
                  | ... while paralysed by a floating eye
342330 | Zig:4    | Killed by divine providence
                  | ... invoked by a balrug
                  | (9 damage)
342333 | Zig:4    | Paralysed by a floating eye for 2 turns
342335 | Zig:4    | HP: 1/199 [demonspawn warmonger/+2 vampiric demon trident
                  | (20)]
342336 | Zig:4    | Killed from afar by an Ice Fiend (25 damage)
                  | ... with a bolt of cold
342341 | Zig:4    | HP: 5/199 [balrug/+0 vampiric demon whip (27)]
342342 | Zig:4    | Slain by a demonspawn black sun
                  | ... wielding a +0 demon trident
                  | (11 damage)
342346 | Zig:4    | Paralysed by a floating eye for 2 turns
342346 | Zig:4    | HP: 1/199 [demonspawn black sun/+0 demon trident (23)]
342347 | Zig:4    | Mangled by a demonspawn corrupter
                  | ... wielding a +1 vampiric demon trident
                  | (9 damage)
                  | ... while paralysed by a floating eye
342349 | Zig:4    | Mangled by Ompet the pandemonium lord (40 damage)
342351 | Zig:4    | Paralysed by a floating eye for 4 turns
342354 | Zig:4    | Annihilated by Ompet the pandemonium lord (41 damage)
                  | ... while paralysed by a floating eye
342359 | Zig:4    | HP: 9/199 [??? (1)]
342359 | Zig:4    | HP: 1/199 [Ompet the pandemonium lord (8)]
342360 | Zig:4    | Slain by a demonspawn corrupter
                  | ... wielding a +0 demon trident
                  | (5 damage)
342364 | Zig:4    | Slain by Ompet the pandemonium lord (13 damage)
342365 | Zig:4    | Killed Ompet the pandemonium lord
342372 | Zig:4    | HP: 8/199 [balrug/divine providence (9)]
342373 | Zig:4    | Slain by an Ice Fiend (10 damage)
342377 | Zig:4    | Mangled by a balrug
                  | ... wielding a +0 antimagic demon whip
                  | (21 damage)
342382 | Zig:4    | Mangled by a balrug
                  | ... wielding a +0 antimagic demon whip
                  | (25 damage)
342385 | Zig:4    | Reached ****** piety under Fedhas
342386 | Zig:4    | HP: 1/199 [blizzard demon/bolt of cold (22)]
342387 | Zig:4    | Slain by a hell beast (6 damage)
342400 | Zig:4    | HP: 8/199 [apocalypse crab[a demonspawn corrupter] (10)]
342401 | Zig:4    | Mangled by a demonspawn corrupter
                  | ... wielding a +1 vampiric demon trident
                  | (14 damage)
342561 | Zig:5    | Entered Level 5 of a ziggurat
342579 | Zig:5    | HP: 4/199 [sun demon (12)]
342579 | Zig:5    | Mangled by a sun demon (14 damage)
342584 | Zig:5    | Noticed Ygoez the pandemonium lord
342584 | Zig:5    | HP: 1/199 [reaper/+3 vampiric scythe (31)]
342584 | Zig:5    | Demolished by a demonspawn black sun
                  | ... wielding a +0 demon trident of venom
                  | (21 damage)
342589 | Zig:5    | Mangled by an Executioner (28 damage)
342590 | Zig:5    | Annihilated by a Hell Sentinel (36 damage)
342592 | Zig:5    | HP: 7/199 [demonspawn warmonger/+4 bardiche of flaming
                  | (38)]
342592 | Zig:5    | Slain by a demonspawn warmonger
                  | ... wielding a +4 bardiche of flaming
                  | (11 damage)
342597 | Zig:5    | Mangled by a demonspawn black sun
                  | ... wielding a +0 dire flail
                  | (30 damage)
342601 | Zig:5    | Blown up by Ygoez the pandemonium lord (36 damage)
                  | ... with a bolt of energy
342602 | Zig:5    | Mangled by a demonspawn warmonger
                  | ... wielding a +4 bardiche of flaming
                  | (31 damage)
342604 | Zig:5    | Killed by the air
                  | ... invoked by a blizzard demon
                  | (15 damage)
342605 | Zig:5    | HP: 5/199 [Hell Sentinel (23)]
342606 | Zig:5    | Engulfed by a demonspawn blood saint's flame (15 damage)
342609 | Zig:5    | Blown up by Ygoez the pandemonium lord (28 damage)
                  | ... with a bolt of energy
342611 | Zig:5    | HP: 9/199 [Hell Sentinel (7)]
342612 | Zig:5    | Engulfed by a demonspawn blood saint's flame (16 damage)
342613 | Zig:5    | Killed Ygoez the pandemonium lord
342614 | Zig:5    | Killed from afar by a Hell Sentinel (34 damage)
                  | ... with damnation
342618 | Zig:5    | HP: 7/199 [demonspawn warmonger/+4 bardiche of flaming
                  | (10)]
342618 | Zig:5    | Killed by divine providence
                  | ... invoked by a balrug
                  | (9 damage)
342621 | Zig:5    | Demolished by a demonspawn warmonger
                  | ... wielding a +4 bardiche of flaming
                  | (69 damage)
342622 | Zig:5    | Demolished by a demonspawn warmonger
                  | ... wielding a +2 great sword of draining
                  | (49 damage)
342624 | Zig:5    | Slain by a reaper
                  | ... wielding a +3 vampiric scythe
                  | (30 damage)
342626 | Zig:5    | HP: 3/199 [Hell Sentinel (32)]
342626 | Zig:5    | Demolished by a demonspawn black sun
                  | ... wielding a +0 demon trident of venom
                  | (19 damage)
342627 | Zig:5    | Annihilated by a Hell Sentinel (33 damage)
342629 | Zig:5    | Slain by a demonspawn warmonger
                  | ... wielding a +4 bardiche of flaming
                  | (12 damage)
342631 | Zig:5    | Mangled by a reaper
                  | ... wielding a +4 scythe of protection
                  | (43 damage)
342633 | Zig:5    | HP: 9/199 [demonspawn black sun/+0 demon trident of venom
                  | (36)]
342633 | Zig:5    | Killed by divine providence
                  | ... invoked by a sphinx
                  | ... summoned by a demonspawn corrupter
                  | (12 damage)
342636 | Zig:5    | HP: 4/199 [smoke demon/divine providence (9)]
342637 | Zig:5    | Demolished by a reaper
                  | ... wielding a +3 vampiric scythe
                  | (18 damage)
342638 | Zig:5    | Annihilated by a Hell Sentinel (29 damage)
342641 | Zig:5    | Killed from afar by a hellion (30 damage)
                  | ... with damnation
342642 | Zig:5    | Killed from afar by a Brimstone Fiend (38 damage)
                  | ... with damnation
342646 | Zig:5    | HP: 1/199 [disintegration (28)]
342646 | Zig:5    | Killed from afar by a Hell Sentinel (25 damage)
                  | ... with an iron shot
342655 | Zig:5    | Slain by a Brimstone Fiend (24 damage)
342674 | Zig:5    | Gained mutation: You are dopey. (Int -2) [a neqoxec]
343325 | Zig:5    | Identified the +8 war axe of Karma {spect, Fly rC+ rN+}
343326 | Zig:5    | Identified the ring "Leeloi Jyfi" {rF- rC+++ rN+++ rCorr
                  | Int-3}
343349 | Zig:5    | Identified the +3 battleaxe "Esoerei" {freeze, rElec rF-
                  | Int+5}
343360 | Zig:6    | Entered Level 6 of a ziggurat
343365 | Zig:6    | HP: 9/199 [demonspawn corrupter/+0 demon blade (9)]
343368 | Zig:6    | Slain by a Hell Sentinel (9 damage)
343370 | Zig:6    | Mangled by a reaper
                  | ... wielding a +1 scythe of venom
                  | (46 damage)
343376 | Zig:6    | HP: 9/199 [Ice Fiend (11)]
343377 | Zig:6    | HP: 1/199 [reaper/+1 scythe of venom (9)]
343377 | Zig:6    | Killed by the air
                  | ... invoked by a blizzard demon
                  | (14 damage)
343382 | Zig:6    | HP: 9/199 [Tzitzimitl (9)]
343383 | Zig:6    | Mangled by a demonspawn corrupter
                  | ... wielding a +3 demon trident of flaming
                  | (22 damage)
343386 | Zig:6    | Slain by a Hell Sentinel (15 damage)
343388 | Zig:6    | Killed from afar by a Hell Sentinel (83 damage)
                  | ... with an iron shot
343393 | Zig:6    | HP: 2/199 [demonspawn corrupter/+0 glaive (21)]
343393 | Zig:6    | Slain by an apocalypse crab (3 damage)
                  | ... summoned by a demonspawn corrupter
343398 | Zig:6    | HP: 4/199 [balrug/divine providence (10)]
343398 | Zig:6    | Killed from afar by a starcursed mass (7 damage)
                  | ... with an accursed screaming
                  | ... summoned by a demonspawn corrupter
343401 | Zig:6    | HP: 1/199 [demonspawn corrupter/+0 glaive (4)]
343402 | Zig:6    | Noticed Woecymat the pandemonium lord
343402 | Zig:6    | Demolished by a demonspawn corrupter
                  | ... wielding a +3 demon trident of flaming
                  | (16 damage)
343406 | Zig:6    | HP: 5/199 [Ice Fiend (3)]
343406 | Zig:6    | Mangled by an Ice Fiend (17 damage)
343409 | Zig:6    | HP: 2/199 [Ice Fiend (9)]
343409 | Zig:6    | Killed from afar by a black draconian (6 damage)
                  | ... with a bolt of lightning
343413 | Zig:6    | Mangled by an Ice Fiend (16 damage)
343418 | Zig:6    | HP: 9/199 [reaper/+0 scythe of freezing (2)]
343419 | Zig:6    | Slain by a reaper
                  | ... wielding a +1 scythe of protection
                  | (12 damage)
343423 | Zig:6    | HP: 9/199 [??? (1)]
343423 | Zig:6    | Annihilated by a reaper
                  | ... wielding a +0 scythe of freezing
                  | (57 damage)
343428 | Zig:6    | Killed Woecymat the pandemonium lord
343428 | Zig:6    | Killed by an exploding reaper (30 damage)
                  | ... ignited by their inner flame
343430 | Zig:6    | HP: 2/199 [reaper/+0 scythe of freezing (12)]
343430 | Zig:6    | Slain by a reaper
                  | ... wielding a +0 scythe of freezing
                  | (2 damage)
343435 | Zig:6    | HP: 9/199 [Brimstone Fiend (8)]
343436 | Zig:6    | Slain by a blizzard demon (14 damage)
343443 | Zig:6    | Demolished by a reaper
                  | ... wielding a +0 scythe of freezing
                  | (32 damage)
343447 | Zig:6    | HP: 8/199 [reaper/+0 scythe of freezing (39)]
343447 | Zig:6    | Slain by a reaper
                  | ... wielding a +0 scythe of freezing
                  | (9 damage)
343452 | Zig:6    | HP: 2/199 [hellwing (8)]
343452 | Zig:6    | Annihilated by a reaper
                  | ... wielding a +0 scythe of freezing
                  | (39 damage)
343458 | Zig:6    | HP: 5/199 [reaper/+0 scythe of freezing (28)]
343458 | Zig:6    | HP: 1/199 [reaper/+0 scythe of freezing (4)]
343458 | Zig:6    | Slain by a Tzitzimitl (1 damage)
343465 | Zig:6    | HP: 6/199 [orange demon (8)]
343465 | Zig:6    | Mangled by a reaper
                  | ... wielding a +0 scythe of freezing
                  | (16 damage)
343476 | Zig:6    | Killed from afar by a hellion (32 damage)
                  | ... with damnation
343499 | Zig:6    | HP: 4/199 [barbs]
343499 | Zig:6    | Slain by a red devil
                  | ... wielding a +1 trident of venom
                  | (9 damage)
343737 | Zig:7    | Entered Level 7 of a ziggurat
343744 | Zig:7    | Slain by an iron golem (31 damage)
343752 | Zig:7    | Slain by a Hell Sentinel (12 damage)
343756 | Zig:7    | HP: 9/199 [??? (1)]
343758 | Zig:7    | Upgraded the game from 0.31-a0-18-gea43df2a32 to
                  | 0.31-a0-37-g98a128e1d9
343758 | Zig:7    | Slain by a Hell Sentinel (8 damage)
343769 | Zig:7    | HP: 8/199 [quicksilver elemental (8)]
343769 | Zig:7    | Demolished by a Hell Sentinel (22 damage)
343780 | Zig:7    | Slain by an iron golem (18 damage)
343790 | Zig:7    | HP: 8/199 [iron giant/iron dragon (10)]
343791 | Zig:7    | Slain by an iron golem (13 damage)
344121 | Zig:7    | Identified the +4 short sword "Mafami" {drain, rF+ Int+3
                  | SInv Stlth-}
344134 | Zig:7    | Identified the +1 dagger of Slime {speed, Fly rPois rCorr
                  | Stlth-}
344157 | Zig:7    | Identified the ring of the Priest {Str+6 Dex+2}
344187 | Zig:8    | Entered Level 8 of a ziggurat
344201 | Zig:8    | HP: 2/199 [water nymph/the raging water (15)]
344201 | Zig:8    | Killed by the raging water
                  | ... invoked by a water nymph
                  | (16 damage)
344217 | Zig:8    | Killed from afar by a merfolk aquamancer (29 damage)
                  | ... with a ball of steam
344233 | Zig:8    | HP: 2/199 [water nymph/the raging water (18)]
344233 | Zig:8    | Killed by the raging water
                  | ... invoked by a water nymph
                  | (6 damage)
344253 | Zig:8    | HP: 7/199 [merfolk javelineer/silver javelin (15)]
344253 | Zig:8    | HP: 3/199 [merfolk javelineer/silver javelin (4)]
344256 | Zig:8    | Killed by the raging water
                  | ... invoked by a water nymph
                  | (6 damage)
344533 | Zig:8    | Identified the staff of death "Nesurche" {rC++ rN+ Will+
                  | Str+2 Dex-3}
344559 | Zig:9    | Entered Level 9 of a ziggurat
344559 | Zig:9    | Noticed an ancient lich
344559 | Zig:9    | Noticed a dread lich
344559 | Zig:9    | Noticed a dread lich
344559 | Zig:9    | Noticed an ancient lich
344559 | Zig:9    | Noticed a dread lich
344559 | Zig:9    | Noticed a dread lich
344559 | Zig:9    | Noticed a dread lich
344559 | Zig:9    | Noticed an ancient lich
344559 | Zig:9    | Noticed an ancient lich
344559 | Zig:9    | Noticed an ancient lich
344561 | Zig:9    | Killed an ancient lich
344568 | Zig:9    | Killed an ancient lich
344578 | Zig:9    | Noticed a dread lich
344578 | Zig:9    | Killed an ancient lich
344580 | Zig:9    | Noticed an ancient lich
344581 | Zig:9    | Killed a dread lich
344583 | Zig:9    | Slain by a profane servitor
                  | ... wielding a +2 demon whip of venom
                  | (19 damage)
344583 | Zig:9    | Noticed a dread lich
344587 | Zig:9    | Noticed a dread lich
344589 | Zig:9    | Killed a dread lich
344590 | Zig:9    | Noticed a dread lich
344591 | Zig:9    | Killed a dread lich
344591 | Zig:9    | Killed a dread lich
344593 | Zig:9    | Killed from afar by an ancient lich (58 damage)
                  | ... with a crystal spear
344595 | Zig:9    | Killed a dread lich
344602 | Zig:9    | Killed an ancient lich
344603 | Zig:9    | Killed a dread lich
344603 | Zig:9    | Killed an ancient lich
344604 | Zig:9    | Noticed a dread lich
344604 | Zig:9    | Noticed an ancient lich
344610 | Zig:9    | Noticed a dread lich
344610 | Zig:9    | Killed an ancient lich
344612 | Zig:9    | Killed a dread lich
344617 | Zig:9    | Killed a dread lich
344619 | Zig:9    | HP: 8/199 [profane servitor/+1 whip (5)]
344620 | Zig:9    | Slain by a profane servitor
                  | ... wielding a +2 demon whip of venom
                  | (5 damage)
344621 | Zig:9    | Killed a dread lich
344627 | Zig:9    | Noticed a dread lich
344627 | Zig:9    | Noticed a dread lich
344627 | Zig:9    | Killed a dread lich
344628 | Zig:9    | Noticed an ancient lich
344632 | Zig:9    | Killed an ancient lich
344632 | Zig:9    | HP: 7/199 [profane servitor/+2 demon whip of flaming (17)]
344633 | Zig:9    | HP: 1/199 [profane servitor/+3 demon whip of flaming (5)]
344633 | Zig:9    | Slain by a profane servitor
                  | ... wielding a +3 demon whip of flaming
                  | (1 damage)
344639 | Zig:9    | Killed a dread lich
344651 | Zig:9    | HP: 2/199 [bone dragon (11)]
344651 | Zig:9    | Mangled by a bone dragon (8 damage)
344653 | Zig:9    | Killed an ancient lich
344660 | Zig:9    | Killed a dread lich
344666 | Zig:9    | Killed a dread lich
344669 | Zig:9    | HP: 3/199 [lich/bolt of cold (11)]
344670 | Zig:9    | Mangled by a bone dragon (16 damage)
344681 | Zig:9    | HP: 8/199 [profane servitor/+2 whip of flaming (11)]
344682 | Zig:9    | HP: 1/199 [ancient champion/+1 great sword (5)]
344682 | Zig:9    | Slain by a profane servitor
                  | ... wielding a +3 demon whip
                  | (5 damage)
344697 | Zig:9    | HP: 4/199 [revenant] (9)]
344699 | Zig:9    | Mangled by a bone dragon (11 damage)
344726 | Zig:9    | HP: 8/199 [juggernaut simulacrum[a curse skull] (22)]
344726 | Zig:9    | Slain by a juggernaut simulacrum (13 damage)
                  | ... summoned by a curse skull
344735 | Zig:9    | Killed by an exploding ballistomycete spore (18 damage)
344743 | Zig:9    | Killed by an exploding ballistomycete spore (45 damage)
                  | ... set off by their pet
344756 | Zig:9    | HP: 9/199 [reaper/+5 scythe of freezing (24)]
344757 | Zig:9    | Killed by an exploding ballistomycete spore (52 damage)
344966 | Zig:9    | Identified the amulet of Gozuxoho {Acrobat rC++ Will+}
344968 | Zig:9    | Identified the +1 chain mail of Servitude {Dex+2}
344986 | Zig:9    | Identified the +3 hand crossbow "Jellybane" {heavy, rF++
                  | Stlth+}
345014 | Zig:9    | Reached skill level 27 in Shapeshifting
345014 | Zig:9    | Upgraded the game from 0.31-a0-37-g98a128e1d9 to
                  | 0.31-a0-626-g8143ab4f1d
345025 | Zig:10   | Entered Level 10 of a ziggurat
345041 | Abyss:6  | Cast into level 6 of the Abyss (+4 trident of distortion)
345045 | Zig:10   | Escaped the Abyss
345048 | Zig:10   | HP: 8/199 [+4 trident of distortion (10)]
345049 | Zig:10   | Mangled by a +4 trident of distortion (22 damage)
345062 | Zig:10   | HP: 8/199 [spore (35)]
345065 | Zig:10   | Killed from afar by a deep elf zephyrmancer (10 damage)
                  | ... with a bolt of lightning
345079 | Zig:10   | HP: 5/199 [spore (14)]
345080 | Zig:10   | Killed from afar by a deep elf knight (10 damage)
                  | ... with a lance of force
345195 | Zig:10   | Identified the ring "Puilav" {rPois rF++ rCorr Str-5 Dex+6}
345198 | Zig:10   | Identified the +8 short sword "Conservator" {flame, rPois
                  | Will+}
345206 | Zig:10   | Identified the +10 glaive of Viut {flame, Fly Int+2}
345210 | Zig:10   | Identified the +4 shortbow "Eviscerator" {drain, rF-
                  | Will+++ Stlth+}
345219 | Zig:10   | Identified the ring of Ogipoxt {rElec rPois Will++ Str-5
                  | SInv}
345250 | Zig:10   | Upgraded the game from 0.31-a0-626-g8143ab4f1d to
                  | 0.31-a0-631-g285b096dc4
345289 | Zig:11   | Entered Level 11 of a ziggurat
345303 | Zig:11   | Killed by an exploding ballistomycete spore (30 damage)
345314 | Zig:11   | Killed by an exploding ballistomycete spore (65 damage)
                  | ... set off by their pet
345323 | Zig:11   | Killed by an exploding ballistomycete spore (19 damage)
                  | ... set off by their pet
345736 | Zig:11   | Identified the +1 quarterstaff "Zopriom" {spect, Dex+3
                  | Stlth+}
345738 | Zig:11   | Identified the staff of the Thieving Whale {rF+ rC+ Int+4
                  | Stlth+ Ice}
345739 | Zig:11   | Identified the +9 battleaxe "Etopif" {spect, rC+ Dex+2}
345740 | Zig:11   | Identified the +5 flail "Grim Tooth" {venom, *Rage Will+
                  | Str+4}
345755 | Zig:11   | Identified the ring "Tecuanew" {rF- rC+ Will+ Int+4}
345767 | Zig:11   | Identified the +1 spear of the Smoking Gods {speed, Int+3}
345787 | Zig:12   | Entered Level 12 of a ziggurat
345787 | Zig:12   | Noticed an ancient lich
345787 | Zig:12   | Noticed an ancient lich
345787 | Zig:12   | Noticed an ancient lich
345787 | Zig:12   | Noticed an ancient lich
345787 | Zig:12   | Noticed an ancient lich
345787 | Zig:12   | Noticed a dread lich
345787 | Zig:12   | Noticed a dread lich
345787 | Zig:12   | Noticed an ancient lich
345787 | Zig:12   | Noticed an ancient lich
345787 | Zig:12   | Noticed an ancient lich
345787 | Zig:12   | Noticed an ancient lich
345787 | Zig:12   | Noticed an ancient lich
345787 | Zig:12   | Noticed an ancient lich
345787 | Zig:12   | Noticed an ancient lich
345787 | Zig:12   | Noticed an ancient lich
345790 | Zig:12   | Noticed an ancient lich
345792 | Zig:12   | Killed an ancient lich
345793 | Zig:12   | Killed an ancient lich
345794 | Zig:12   | Killed an ancient lich
345794 | Zig:12   | Killed an ancient lich
345795 | Zig:12   | Noticed a dread lich
345795 | Zig:12   | Noticed an ancient lich
345795 | Zig:12   | Killed an ancient lich
345795 | Zig:12   | Killed an ancient lich
345795 | Zig:12   | Killed an ancient lich
345796 | Zig:12   | Killed an ancient lich
345797 | Zig:12   | Killed an ancient lich
345797 | Zig:12   | Killed a dread lich
345797 | Zig:12   | Killed an ancient lich
345798 | Zig:12   | Noticed a dread lich
345798 | Zig:12   | Noticed a dread lich
345798 | Zig:12   | HP: 6/199 [titan/bolt of lightning (7)]
345798 | Zig:12   | HP: 2/199 [golden dragon/bolt of cold (4)]
345799 | Zig:12   | Killed an ancient lich
345800 | Zig:12   | Killed from afar by a golden dragon (25 damage)
                  | ... with a bolt of fire
345800 | Zig:12   | Noticed an ancient lich
345800 | Zig:12   | Noticed a dread lich
345801 | Zig:12   | Noticed an ancient lich
345801 | Zig:12   | Noticed a dread lich
345802 | Zig:12   | Killed an ancient lich
345803 | Zig:12   | Killed a dread lich
345803 | Zig:12   | Killed an ancient lich
345804 | Zig:12   | Noticed an ancient lich
345804 | Zig:12   | Upgraded the game from 0.31-a0-631-g285b096dc4 to
                  | 0.31-a0-632-g766dd24fdf
345804 | Zig:12   | HP: 8/199 [titan/bolt of lightning (3)]
345804 | Zig:12   | Noticed a dread lich
345806 | Zig:12   | Killed an ancient lich
345806 | Zig:12   | Killed from afar by a golden dragon (22 damage)
                  | ... with a bolt of cold
345807 | Zig:12   | Noticed a dread lich
345807 | Zig:12   | Noticed a dread lich
345807 | Zig:12   | Noticed an ancient lich
345811 | Zig:12   | Noticed an ancient lich
345815 | Zig:12   | Killed by the air
                  | ... invoked by a titan
                  | (16 damage)
345817 | Zig:12   | Killed an ancient lich
345818 | Zig:12   | Noticed an ancient lich
345820 | Zig:12   | HP: 4/199 [ancient lich/crystal spear (20)]
345820 | Zig:12   | Noticed a dread lich
345820 | Zig:12   | Noticed a dread lich
345821 | Zig:12   | Noticed an ancient lich
345821 | Zig:12   | Noticed a dread lich
345821 | Zig:12   | Noticed a dread lich
345822 | Zig:12   | Killed a dread lich
345822 | Zig:12   | Killed an ancient lich
345822 | Zig:12   | Noticed a dread lich
345823 | Zig:12   | Killed an ancient lich
345825 | Zig:12   | Noticed an ancient lich
345825 | Zig:12   | Killed a dread lich
345825 | Zig:12   | Killed a dread lich
345825 | Zig:12   | Slain by an ancient lich (8 damage)
345827 | Zig:12   | Killed a dread lich
345827 | Zig:12   | Noticed an ancient lich
345830 | Zig:12   | Killed an ancient lich
345831 | Zig:12   | Killed a dread lich
345832 | Zig:12   | Killed a dread lich
345834 | Zig:12   | Noticed a dread lich
345835 | Zig:12   | Killed a dread lich
345835 | Zig:12   | HP: 9/199 [???[a dread lich] (1)]
345837 | Zig:12   | Noticed a dread lich
345837 | Zig:12   | Killed an ancient lich
345838 | Zig:12   | Killed a dread lich
345839 | Zig:12   | Killed an ancient lich
345841 | Zig:12   | Killed a dread lich
345841 | Zig:12   | HP: 7/199 [ancient lich (3)]
345842 | Zig:12   | Killed a dread lich
345842 | Zig:12   | Killed an ancient lich
345842 | Zig:12   | Killed from afar by an ancient lich (21 damage)
                  | ... with a bolt of acid
345843 | Zig:12   | Killed an ancient lich
345844 | Zig:12   | Killed a dread lich
345847 | Zig:12   | Noticed an ancient lich
345848 | Zig:12   | Killed a dread lich
345849 | Zig:12   | Killed a dread lich
345849 | Zig:12   | Killed an ancient lich
345849 | Zig:12   | Killed a dread lich
345850 | Zig:12   | Killed an ancient lich
345852 | Zig:12   | Killed a dread lich
345861 | Zig:12   | Killed from afar by an ancient lich (97 damage)
                  | ... with a crystal spear
345862 | Zig:12   | Killed an ancient lich
345881 | Zig:12   | Killed from afar by a golden dragon (31 damage)
                  | ... with a bolt of fire
345883 | Zig:12   | Paralysed by a floating eye for 4 turns
346001 | Zig:12   | Found the +7 hand cannon "Mule" {flame, backblast, rF+}
346058 | Zig:12   | Identified the +6 rapier "Miasemom" {flame, *Slow rF- rC+++
                  | SInv}
346069 | Zig:12   | Identified the +1 cloak of the Beginning {Dex+2}
346083 | Zig:12   | Identified the amulet of Ru's Esteem {rF- rC+++ Regen+
                  | Int+3 SInv}
346091 | Zig:12   | Identified the +4 scale mail "Xosut" {rF+ rC- Regen+}
346096 | Zig:12   | Identified the +2 executioner's axe "Nuojatoa" {pain,
                  | Str+3}
346116 | Zig:12   | Upgraded the game from 0.31-a0-632-g766dd24fdf to
                  | 0.31-a0-728-g01b46875f1
346121 | Zig:12   | Lost mutation: You are dopey. (Int -2) [potion of mutation]
346121 | Zig:12   | Lost mutation: You are somewhat resistant to further
                  | mutation. [potion of mutation]
346121 | Zig:12   | Gained mutation: You have supernaturally acute eyesight.
                  | (SInv) [potion of mutation]
346122 | Zig:12   | Lost mutation: You are clumsy. (Dex -2) [potion of
                  | mutation]
346122 | Zig:12   | Lost mutation: You have supernaturally acute eyesight.
                  | (SInv) [potion of mutation]
346128 | Zig:12   | Gained mutation: Your muscles are strong. (Str +4, Int/Dex
                  | -1) [potion of mutation]
346128 | Zig:12   | Gained mutation: You have sharp fingernails. [potion of
                  | mutation]
346129 | Zig:12   | Lost mutation: Your muscles are strong. (Str +4, Int/Dex
                  | -1) [potion of mutation]
346129 | Zig:12   | Lost mutation: You have sharp fingernails. [potion of
                  | mutation]
346129 | Zig:12   | Gained mutation: You are strong-willed. (Will+) [potion of
                  | mutation]
346129 | Zig:12   | Gained mutation: You have sharp toenails. [potion of
                  | mutation]
346129 | Zig:12   | Gained mutation: You are frail. (-10% HP) [potion of
                  | mutation]
346129 | Zig:12   | Gained mutation: Your spells are a little harder to cast,
                  | but a little more powerful. [potion of mutation]
346130 | Zig:12   | Lost mutation: You are frail. (-10% HP) [potion of
                  | mutation]
346130 | Zig:12   | Lost mutation: You are strong-willed. (Will+) [potion of
                  | mutation]
346130 | Zig:12   | Gained mutation: You are robust. (+10% HP) [potion of
                  | mutation]
346130 | Zig:12   | Gained mutation: You expend magic power (3 MP) to
                  | strengthen your wands. [potion of mutation]
346130 | Zig:12   | Gained mutation: You passively map a small area around you.
                  | [potion of mutation]
346201 | Zig:12   | Acquired 1087 gold pieces
346216 | Zig:13   | Entered Level 13 of a ziggurat
346389 | Zig:13   | Identified the ring of Quockuoca {Wiz rPois rF+++ rCorr
                  | Dex-2}
346396 | Zig:13   | Identified the amulet "Cuushoh" {Reflect Str+2 Int+2 Dex+3
                  | SH+5 SInv}
346405 | Zig:13   | Identified the +3 short sword of Broken Luck {flame,
                  | *Corrode Int+2 Dex+3 Stlth+}
346410 | Zig:13   | Identified the staff "Amiurat" {Str+8 Earth}
346423 | Zig:13   | Identified the staff "Orb Guardian's Foe" {rC+ rN+ rCorr
                  | Ice}
346430 | Zig:13   | Identified the +0 demon whip of Cheibriados's Grace {drain,
                  | rElec rN+ Will++ Dex-4}
346436 | Zig:13   | Identified the staff "Odyarirph" {rElec rC+ Will- Int+3
                  | Air}
346450 | Zig:13   | Identified the +5 great mace "Tewkevum" {heavy, *Noise
                  | rElec Dex+3}
346462 | Zig:14   | Entered Level 14 of a ziggurat
346470 | Zig:14   | Mangled by an iron golem (26 damage)
346503 | Zig:14   | Mangled by an iron giant
                  | ... wielding a +0 giant spiked club
                  | (32 damage)
346545 | Zig:14   | HP: 9/218 [Hell Sentinel/iron shot (12)]
346554 | Zig:14   | HP: 6/218 [iron golem (6)]
346555 | Zig:14   | Demolished by an iron golem (24 damage)
346720 | Zig:14   | Identified the +0 hat "Gocvieh" {rF+ rC+ Dex+3}
346730 | Zig:14   | Identified the +1 robe of Dice, Bag, and Bottle {rPois rN+
                  | rCorr Int-2}
346742 | Zig:14   | Identified the staff "Piabag" {*Corrode rElec rC+ Str-3
                  | Int+5 Ice}
346745 | Zig:14   | Identified the ring "Noevyu" {Wiz Str+5 Slay+2}
346748 | Zig:14   | Identified the +4 shortbow of Malum Prohibitum {speed,
                  | rCorr Dex+3}
346803 | Zig:15   | Entered Level 15 of a ziggurat
346803 | Zig:15   | Noticed a royal mummy
346803 | Zig:15   | Noticed a royal mummy
346803 | Zig:15   | Noticed a royal mummy
346803 | Zig:15   | Noticed a royal mummy
346803 | Zig:15   | Noticed a royal mummy
346803 | Zig:15   | Noticed a royal mummy
346803 | Zig:15   | Noticed a royal mummy
346803 | Zig:15   | Noticed a royal mummy
346803 | Zig:15   | Noticed a royal mummy
346807 | Zig:15   | HP: 10/218 [something (20)]
346807 | Zig:15   | Killed by divine providence
                  | ... invoked by a royal mummy
                  | (17 damage)
346807 | Zig:15   | Noticed a royal mummy
346808 | Zig:15   | Noticed a royal mummy
346808 | Zig:15   | Noticed a royal mummy
346810 | Zig:15   | Killed a royal mummy
346810 | Zig:15   | Noticed a royal mummy
346810 | Zig:15   | Noticed a royal mummy
346811 | Zig:15   | Killed a royal mummy
346811 | Zig:15   | Killed a royal mummy
346811 | Zig:15   | Killed by a guardian mummy's death curse (17 damage)
346811 | Zig:15   | Noticed a royal mummy
346811 | Zig:15   | Noticed a royal mummy
346812 | Zig:15   | Killed a royal mummy
346812 | Zig:15   | Killed a royal mummy
346812 | Zig:15   | Killed a royal mummy
346814 | Zig:15   | Killed a royal mummy
346814 | Zig:15   | Killed a royal mummy
346814 | Zig:15   | Killed a royal mummy
346814 | Zig:15   | Killed a royal mummy
346814 | Zig:15   | HP: 6/218 [something (29)]
346814 | Zig:15   | Killed a royal mummy
346814 | Zig:15   | Killed by divine providence
                  | ... invoked by a royal mummy
                  | (8 damage)
346815 | Zig:15   | Noticed a royal mummy
346815 | Zig:15   | Noticed a royal mummy
346815 | Zig:15   | Noticed a royal mummy
346817 | Zig:15   | Noticed a royal mummy
346818 | Zig:15   | Killed a royal mummy
346819 | Zig:15   | Killed a royal mummy
346819 | Zig:15   | Killed a royal mummy
346820 | Zig:15   | HP: 2/218 [royal mummy/divine providence (15)]
346821 | Zig:15   | Killed a royal mummy
346821 | Zig:15   | Killed by a royal mummy's death curse (16 damage)
346821 | Zig:15   | Noticed a royal mummy
346825 | Zig:15   | Killed a royal mummy
346825 | Zig:15   | Killed by divine providence
                  | ... invoked by a royal mummy
                  | (14 damage)
346826 | Zig:15   | Killed a royal mummy
346826 | Zig:15   | Noticed a royal mummy
346827 | Zig:15   | Killed a royal mummy
346827 | Zig:15   | Noticed a royal mummy
346828 | Zig:15   | Noticed a royal mummy
346828 | Zig:15   | Noticed a royal mummy
346829 | Zig:15   | Killed a royal mummy
346829 | Zig:15   | Noticed a royal mummy
346830 | Zig:15   | Noticed a royal mummy
346831 | Zig:15   | Killed a royal mummy
346832 | Zig:15   | Killed a royal mummy
346833 | Zig:15   | Killed by a guardian mummy's death curse (16 damage)
346836 | Zig:15   | Killed a royal mummy
346837 | Zig:15   | Killed a royal mummy
346837 | Zig:15   | Killed a royal mummy
346838 | Zig:15   | Killed a royal mummy
346839 | Zig:15   | Killed a royal mummy
346839 | Zig:15   | Killed a royal mummy
347086 | Zig:15   | Identified the ring of Mosuta Sisi {rCorr Int+5}
347088 | Zig:15   | Identified the +5 dagger of Annihilation {speed, rPois rC+
                  | rCorr}
347089 | Zig:15   | Identified the +1 flail of Gurph {flame, *Noise rElec
                  | Str+2}
347092 | Zig:15   | Identified the amulet "Cutuded" {Spirit Stlth+}
347094 | Zig:15   | Identified the +1 robe "Bitikh" {rPois Will- Str+4}
347097 | Zig:15   | Identified the +8 glaive "Figaraf" {flame, Fragile rF+
                  | rC+++ SInv}
347098 | Zig:15   | Identified the +9 battleaxe of the Hurting King {vamp, rF-
                  | Dex+6 Stlth+}
347099 | Zig:15   | Identified the +2 short sword "Daepsuro" {freeze, SInv}
347104 | Zig:15   | Identified the +2 rapier of Luzij {flame, rC+}
347116 | Zig:15   | Identified the +4 chain mail of Rationality {Str+4 Dex-4}
347121 | Zig:15   | Identified the staff "Plog" {rPois rF+ Str+2 Int-4 Earth}
347126 | Zig:15   | Identified the +1 trident of Biyrufer {heavy, rF- Int+7}
347135 | Zig:15   | Identified the +0 chain mail "Piluasuv" {+Inv rElec Str+2}
347141 | Zig:15   | Acquired 526 gold pieces
347154 | Zig:16   | Entered Level 16 of a ziggurat
347169 | Zig:16   | HP: 8/218 [balrug/divine providence (16)]
347170 | Zig:16   | Slain by a Hell Sentinel (11 damage)
347179 | Zig:16   | HP: 9/218 [spore (19)]
347180 | Zig:16   | Mangled by a Hell Sentinel (23 damage)
347183 | Zig:16   | Noticed Miwk the pandemonium lord
347189 | Zig:16   | Killed Miwk the pandemonium lord
347191 | Zig:16   | HP: 8/218 [Hell Sentinel (12)]
347191 | Zig:16   | Mangled by a Hell Sentinel (15 damage)
347199 | Zig:16   | Killed from afar by an Ice Fiend (53 damage)
                  | ... with a bolt of cold
347220 | Zig:16   | Slain by a Hell Sentinel (14 damage)
347466 | Zig:16   | Identified the +3 leather armour of the Shore {Rampage
                  | Str-2 Int+4 Slay+3}
347468 | Zig:16   | Identified the +7 chain mail "Kahefil" {MP+9}
347483 | Zig:16   | Identified the staff of the Spider {rElec rPois Will+ rCorr
                  | Int-3 Poison}
347511 | Zig:17   | Entered Level 17 of a ziggurat
347525 | Zig:17   | Killed from afar by a black draconian knight (38 damage)
                  | ... with a shard of ice
347549 | Zig:17   | HP: 10/218 [white draconian stormcaller/divine providence
                  | (11)]
347552 | Zig:17   | Killed from afar by a purple draconian (14 damage)
                  | ... with a bolt of dispelling energy
347569 | Zig:17   | HP: 7/218 [white draconian stormcaller/blast of cold (5)]
347573 | Zig:17   | HP: 1/218 [white draconian stormcaller/blast of cold (7)]
347578 | Zig:17   | Killed by divine providence
                  | ... invoked by a white draconian stormcaller
                  | (11 damage)
347660 | Zig:17   | Identified the +3 quarterstaff "Voent" {spect, Int+3}
347663 | Zig:17   | Identified the +0 helmet of Jocunk {Rampage}
347733 | Zig:17   | Identified the +0 cloak of Tender Moments {rN+ Str+4}
347737 | Zig:17   | Identified the +6 falchion "Vusu" {flame, Fragile rF- MP+9
                  | Str+8}
347744 | Zig:17   | Identified the +10 scale mail "Iramozu" {Str+4}
347758 | Zig:17   | Identified the +4 scimitar of Ytajos {vamp, Fly rElec Will+
                  | Int+3}
347771 | Zig:17   | Identified the +3 war axe of the Blessed Realm {venom,
                  | rPois rF+ rCorr}
347772 | Zig:17   | Identified the +4 war axe "Apsac" {freeze, rElec}
347832 | Zig:17   | Identified the staff "Cuwnu" {rElec rC+ Will+ rCorr Ice}
347851 | Zig:17   | Identified the +3 leather armour of Vioggiph {rC+ Str+2}
347893 | Zig:18   | Entered Level 18 of a ziggurat
347893 | Zig:18   | Noticed a royal mummy
347893 | Zig:18   | Noticed a royal mummy
347893 | Zig:18   | Noticed a royal mummy
347893 | Zig:18   | Noticed a royal mummy
347893 | Zig:18   | Noticed a royal mummy
347893 | Zig:18   | Noticed a royal mummy
347893 | Zig:18   | Noticed a royal mummy
347893 | Zig:18   | Noticed a royal mummy
347893 | Zig:18   | Noticed a royal mummy
347895 | Zig:18   | Noticed a royal mummy
347895 | Zig:18   | Noticed a royal mummy
347895 | Zig:18   | Noticed a royal mummy
347895 | Zig:18   | Noticed a royal mummy
347897 | Zig:18   | Killed a royal mummy
347897 | Zig:18   | Noticed a royal mummy
347897 | Zig:18   | Noticed a royal mummy
347897 | Zig:18   | Killed a royal mummy
347897 | Zig:18   | Killed a royal mummy
347897 | Zig:18   | HP: 9/218 [something (22)]
347898 | Zig:18   | Killed a royal mummy
347898 | Zig:18   | Killed a royal mummy
347898 | Zig:18   | Killed a royal mummy
347898 | Zig:18   | Killed a royal mummy
347898 | Zig:18   | Killed a royal mummy
347898 | Zig:18   | Noticed a royal mummy
347898 | Zig:18   | Noticed a royal mummy
347898 | Zig:18   | Killed a royal mummy
347898 | Zig:18   | Killed a royal mummy
347898 | Zig:18   | Killed a royal mummy
347898 | Zig:18   | Killed by a royal mummy's death curse (21 damage)
347900 | Zig:18   | Killed a royal mummy
347901 | Zig:18   | Noticed a royal mummy
347901 | Zig:18   | Noticed a royal mummy
347901 | Zig:18   | Noticed a royal mummy
347902 | Zig:18   | Noticed a royal mummy
347902 | Zig:18   | Noticed a royal mummy
347903 | Zig:18   | Noticed a royal mummy
347903 | Zig:18   | Killed a royal mummy
347903 | Zig:18   | HP: 3/218 [mummy priest/divine providence (15)]
347903 | Zig:18   | Mangled by a royal mummy (15 damage)
347904 | Zig:18   | Killed a royal mummy
347904 | Zig:18   | Noticed a royal mummy
347906 | Zig:18   | Killed by a guardian mummy's death curse (17 damage)
347907 | Zig:18   | Noticed a royal mummy
347907 | Zig:18   | Noticed a royal mummy
347907 | Zig:18   | Noticed a royal mummy
347907 | Zig:18   | Noticed a royal mummy
347907 | Zig:18   | Noticed a royal mummy
347907 | Zig:18   | Noticed a royal mummy
347908 | Zig:18   | Killed a royal mummy
347908 | Zig:18   | Noticed a royal mummy
347908 | Zig:18   | Noticed a royal mummy
347910 | Zig:18   | HP: 2/218 [royal mummy/divine providence (16)]
347910 | Zig:18   | Killed by divine providence
                  | ... invoked by a mummy priest
                  | (14 damage)
347912 | Zig:18   | Killed a royal mummy
347912 | Zig:18   | Killed a royal mummy
347913 | Zig:18   | Noticed a royal mummy
347913 | Zig:18   | Noticed a royal mummy
347913 | Zig:18   | Noticed a royal mummy
347914 | Zig:18   | Noticed a royal mummy
347914 | Zig:18   | Killed a royal mummy
347914 | Zig:18   | Slain by a royal mummy (8 damage)
347914 | Zig:18   | Killed a royal mummy
347915 | Zig:18   | Killed a royal mummy
347915 | Zig:18   | Killed a royal mummy
347916 | Zig:18   | Killed a royal mummy
347918 | Zig:18   | Killed a royal mummy
347918 | Zig:18   | Killed a royal mummy
347919 | Zig:18   | Killed a royal mummy
347919 | Zig:18   | Killed a royal mummy
347919 | Zig:18   | HP: 10/218 [royal mummy/divine providence (10)]
347919 | Zig:18   | Killed by divine providence
                  | ... invoked by a royal mummy
                  | (12 damage)
347920 | Zig:18   | Noticed a royal mummy
347920 | Zig:18   | Killed a royal mummy
347920 | Zig:18   | Killed a royal mummy
347920 | Zig:18   | Killed a royal mummy
347920 | Zig:18   | Killed a royal mummy
347922 | Zig:18   | Killed a royal mummy
347922 | Zig:18   | Killed a royal mummy
347922 | Zig:18   | Killed a royal mummy
347922 | Zig:18   | Killed a royal mummy
347925 | Zig:18   | Killed a royal mummy
347928 | Zig:18   | Killed a royal mummy
347929 | Zig:18   | HP: 8/218 [royal mummy/divine providence (9)]
347933 | Zig:18   | Killed a royal mummy
348272 | Zig:18   | Identified the +0 leather armour of Ottaasch {rC+}
348275 | Zig:18   | Identified the ring "Naamyam" {Ice rN+}
348278 | Zig:18   | Identified the ring "Pall" {rPois rF+ MP+9}
348295 | Zig:18   | Identified the ring "Licwosec" {Contam rF+ Dex+4}
348300 | Zig:18   | Identified the +7 morningstar of the Lurker {elec, Dex+4}
348316 | Zig:18   | Identified the +0 rapier of Rafic {freeze, rElec MP+9
                  | Str+3}
348323 | Zig:18   | Identified the +0 scale mail of the Mind {rN+ Will- Regen+
                  | Str+3 SInv}
348331 | Zig:18   | Identified the +5 long sword of the Shouting Tiger {drain,
                  | Fragile rElec Dex+3}
348344 | Zig:18   | Identified the staff "Meemok" {Fly rElec Str-5 Dex-2 Conj}
348380 | Zig:19   | Entered Level 19 of a ziggurat
348380 | Zig:19   | Noticed Xuosetwu the pandemonium lord
348380 | Zig:19   | Noticed Tukic the pandemonium lord
348380 | Zig:19   | Noticed Ipynyrav the pandemonium lord
348380 | Zig:19   | Noticed Ynit the pandemonium lord
348380 | Zig:19   | Noticed Fialiyv the pandemonium lord
348380 | Zig:19   | Noticed Sefusch the pandemonium lord
348380 | Zig:19   | Noticed Sunyr the pandemonium lord
348380 | Zig:19   | Noticed Piletaed the pandemonium lord
348380 | Zig:19   | Noticed Ifoje the pandemonium lord
348380 | Zig:19   | Noticed Yniamal the pandemonium lord
348380 | Zig:19   | Noticed Holodgh the pandemonium lord
348380 | Zig:19   | Noticed Xephi the pandemonium lord
348380 | Zig:19   | Noticed Jil Qeiz the pandemonium lord
348380 | Zig:19   | Noticed Ethudd the pandemonium lord
348380 | Zig:19   | Noticed Derac Wiy the pandemonium lord
348380 | Zig:19   | Noticed Ubloiwn Onyo the pandemonium lord
348380 | Zig:19   | Noticed Xeephez the pandemonium lord
348380 | Zig:19   | Noticed Xunk the pandemonium lord
348380 | Zig:19   | Noticed Fygeizil the pandemonium lord
348380 | Zig:19   | Noticed Bikhlasa the pandemonium lord
348380 | Zig:19   | Noticed Ytiug the pandemonium lord
348380 | Zig:19   | Noticed Owageus the pandemonium lord
348380 | Zig:19   | Noticed Gagaab the pandemonium lord
348380 | Zig:19   | Noticed Fush the pandemonium lord
348380 | Zig:19   | Noticed Catessi the pandemonium lord
348380 | Zig:19   | Noticed Nainu the pandemonium lord
348380 | Zig:19   | Noticed Farchuwn the pandemonium lord
348380 | Zig:19   | Noticed Syuj the pandemonium lord
348380 | Zig:19   | Noticed Werotty the pandemonium lord
348380 | Zig:19   | Noticed Cionemu the pandemonium lord
348380 | Zig:19   | Noticed Firyonusm the pandemonium lord
348380 | Zig:19   | Noticed Nevoor the pandemonium lord
348380 | Zig:19   | Noticed Puziwyis the pandemonium lord
348380 | Zig:19   | Noticed Vont the pandemonium lord
348380 | Zig:19   | Noticed Xiuhiamn the pandemonium lord
348380 | Zig:19   | Noticed Ciaqach the pandemonium lord
348380 | Zig:19   | Noticed Vianic the pandemonium lord
348380 | Zig:19   | Noticed Vusenn the pandemonium lord
348380 | Zig:19   | Noticed Daplir the pandemonium lord
348380 | Zig:19   | Noticed Caedgh the pandemonium lord
348380 | Zig:19   | Noticed Damegin the pandemonium lord
348382 | Zig:19   | Noticed Udusynol the pandemonium lord
348383 | Zig:19   | Noticed Esy Fonu the pandemonium lord
348384 | Zig:19   | Noticed Zuirgh the pandemonium lord
348384 | Zig:19   | Killed Ytiug the pandemonium lord
348384 | Zig:19   | Noticed Aciud the pandemonium lord
348385 | Zig:19   | Noticed Punupp the pandemonium lord
348385 | Zig:19   | Noticed Dudozer the pandemonium lord
348385 | Zig:19   | Noticed Beatzol the pandemonium lord
348386 | Zig:19   | Killed Ethudd the pandemonium lord
348386 | Zig:19   | Killed Xephi the pandemonium lord
348387 | Zig:19   | Killed Jil Qeiz the pandemonium lord
348387 | Zig:19   | Killed Ciaqach the pandemonium lord
348387 | Zig:19   | Noticed Vuodwawk the pandemonium lord
348387 | Zig:19   | Killed Nainu the pandemonium lord
348387 | Zig:19   | Noticed Unaatum the pandemonium lord
348388 | Zig:19   | Noticed Xudiaga the pandemonium lord
348388 | Zig:19   | Noticed Toxzoexoo the pandemonium lord
348389 | Zig:19   | Killed Puziwyis the pandemonium lord
348390 | Zig:19   | Killed Firyonusm the pandemonium lord
348390 | Zig:19   | Killed Xiuhiamn the pandemonium lord
348390 | Zig:19   | Killed Derac Wiy the pandemonium lord
348390 | Zig:19   | Noticed Eggack the pandemonium lord
348391 | Zig:19   | Killed Holodgh the pandemonium lord
348392 | Zig:19   | Noticed Ovemuem the pandemonium lord
348392 | Zig:19   | Killed Xeephez the pandemonium lord
348392 | Zig:19   | Killed Cionemu the pandemonium lord
348392 | Zig:19   | Killed Vusenn the pandemonium lord
348393 | Zig:19   | Killed Vianic the pandemonium lord
348393 | Zig:19   | Killed Daplir the pandemonium lord
348393 | Zig:19   | Killed from afar by Werotty the pandemonium lord (44
                  | damage)
                  | ... with a bolt of cold
348393 | Zig:19   | Noticed Walicreph the pandemonium lord
348393 | Zig:19   | Noticed Zinuhim the pandemonium lord
348393 | Zig:19   | Noticed Foxzodwu the pandemonium lord
348393 | Zig:19   | Killed Xunk the pandemonium lord
348393 | Zig:19   | Killed Bikhlasa the pandemonium lord
348394 | Zig:19   | Killed Aciud the pandemonium lord
348394 | Zig:19   | Killed Tukic the pandemonium lord
348394 | Zig:19   | Killed Catessi the pandemonium lord
348394 | Zig:19   | Killed Vont the pandemonium lord
348394 | Zig:19   | Killed Caedgh the pandemonium lord
348395 | Zig:19   | Noticed Kiptiell the pandemonium lord
348395 | Zig:19   | Killed Punupp the pandemonium lord
348395 | Zig:19   | Killed Xuosetwu the pandemonium lord
348395 | Zig:19   | Killed Fygeizil the pandemonium lord
348395 | Zig:19   | Killed Gagaab the pandemonium lord
348395 | Zig:19   | Killed Farchuwn the pandemonium lord
348396 | Zig:19   | Noticed Ullum the pandemonium lord
348396 | Zig:19   | Noticed Asto the pandemonium lord
348398 | Zig:19   | Noticed Sourghus the pandemonium lord
348398 | Zig:19   | Killed Fialiyv the pandemonium lord
348400 | Zig:19   | Noticed Aschaugg the pandemonium lord
348400 | Zig:19   | Noticed Ywnou the pandemonium lord
348400 | Zig:19   | Noticed Qerhasch the pandemonium lord
348400 | Zig:19   | Noticed Kyacor the pandemonium lord
348400 | Zig:19   | Slain by Ifoje the pandemonium lord (20 damage)
348402 | Zig:19   | Noticed Wekej the pandemonium lord
348403 | Zig:19   | Killed Werotty the pandemonium lord
348405 | Zig:19   | Noticed Keur Zeu the pandemonium lord
348407 | Zig:19   | Noticed Nerycew the pandemonium lord
348408 | Zig:19   | Noticed Gootru the pandemonium lord
348408 | Zig:19   | Noticed Utum the pandemonium lord
348409 | Zig:19   | HP: 5/218 [Ifoje the pandemonium lord (19)]
348410 | Zig:19   | HP: 2/218 [Nevoor the pandemonium lord (4)]
348410 | Zig:19   | Noticed Jesop the pandemonium lord
348411 | Zig:19   | Mangled by Nevoor the pandemonium lord (10 damage)
348412 | Zig:19   | Noticed Besubi the pandemonium lord
348415 | Zig:19   | Noticed Juur Biso the pandemonium lord
348415 | Zig:19   | Noticed Qafrocli the pandemonium lord
348416 | Zig:19   | Noticed Awew the pandemonium lord
348420 | Zig:19   | Noticed Bipnoc the pandemonium lord
348420 | Zig:19   | Slain by Foxzodwu the pandemonium lord (23 damage)
348421 | Zig:19   | Noticed Uxourakk the pandemonium lord
348422 | Zig:19   | Killed Eggack the pandemonium lord
348423 | Zig:19   | Killed Ipynyrav the pandemonium lord
348423 | Zig:19   | Noticed Ziphant the pandemonium lord
348424 | Zig:19   | Noticed Waleg the pandemonium lord
348424 | Zig:19   | HP: 2/218 [Ifoje the pandemonium lord (14)]
348425 | Zig:19   | Demolished by Ovemuem the pandemonium lord (20 damage)
348426 | Zig:19   | Noticed Jengynikh the pandemonium lord
348428 | Zig:19   | Killed Nevoor the pandemonium lord
348430 | Zig:19   | Noticed Inoffysh the pandemonium lord
348430 | Zig:19   | HP: 7/218 [Ifoje the pandemonium lord (19)]
348431 | Zig:19   | Mangled by Besubi the pandemonium lord (14 damage)
348432 | Zig:19   | Noticed Ruopysuh the pandemonium lord
348432 | Zig:19   | Killed Kyacor the pandemonium lord
348432 | Zig:19   | Killed Fush the pandemonium lord
348433 | Zig:19   | Noticed Cuegusoh the pandemonium lord
348433 | Zig:19   | Killed Damegin the pandemonium lord
348434 | Zig:19   | Killed Toxzoexoo the pandemonium lord
348435 | Zig:19   | Noticed Engamisi the pandemonium lord
348436 | Zig:19   | Noticed Maigosel the pandemonium lord
348436 | Zig:19   | Killed Kiptiell the pandemonium lord
348437 | Zig:19   | Killed Unaatum the pandemonium lord
348438 | Zig:19   | HP: 5/218 [Ovemuem the pandemonium lord (29)]
348438 | Zig:19   | Mangled by Ifoje the pandemonium lord (15 damage)
348439 | Zig:19   | Noticed Ciset the pandemonium lord
348439 | Zig:19   | Noticed Pitemn the pandemonium lord
348441 | Zig:19   | Noticed Okhieck the pandemonium lord
348441 | Zig:19   | Noticed Feroros the pandemonium lord
348443 | Zig:19   | Killed Asto the pandemonium lord
348443 | Zig:19   | Killed Jesop the pandemonium lord
348443 | Zig:19   | Killed Nerycew the pandemonium lord
348444 | Zig:19   | Killed Juur Biso the pandemonium lord
348444 | Zig:19   | HP: 9/218 [Foxzodwu the pandemonium lord (8)]
348444 | Zig:19   | Mangled by Udusynol the pandemonium lord (17 damage)
348444 | Zig:19   | Noticed Abaemp the pandemonium lord
348445 | Zig:19   | Killed Ifoje the pandemonium lord
348446 | Zig:19   | Noticed Inasaufe the pandemonium lord
348446 | Zig:19   | Noticed Pidetz the pandemonium lord
348447 | Zig:19   | Killed Cuegusoh the pandemonium lord
348447 | Zig:19   | Killed Vuodwawk the pandemonium lord
348447 | Zig:19   | Killed Yniamal the pandemonium lord
348447 | Zig:19   | Killed Keur Zeu the pandemonium lord
348447 | Zig:19   | Noticed Rimufuo the pandemonium lord
348447 | Zig:19   | Killed Qafrocli the pandemonium lord
348447 | Zig:19   | Killed Zuirgh the pandemonium lord
348448 | Zig:19   | Killed Jengynikh the pandemonium lord
348448 | Zig:19   | Killed Qerhasch the pandemonium lord
348449 | Zig:19   | Killed Sunyr the pandemonium lord
348449 | Zig:19   | Killed Inasaufe the pandemonium lord
348449 | Zig:19   | HP: 1/218 [Foxzodwu the pandemonium lord (29)]
348449 | Zig:19   | Slain by Ywnou the pandemonium lord (5 damage)
348450 | Zig:19   | Killed Engamisi the pandemonium lord
348450 | Zig:19   | Killed Syuj the pandemonium lord
348451 | Zig:19   | Noticed Ymi Rouz the pandemonium lord
348452 | Zig:19   | Slain by Foxzodwu the pandemonium lord (30 damage)
348452 | Zig:19   | Killed Abaemp the pandemonium lord
348452 | Zig:19   | Killed Sefusch the pandemonium lord
348453 | Zig:19   | Killed Wekej the pandemonium lord
348453 | Zig:19   | Killed Utum the pandemonium lord
348453 | Zig:19   | Killed Aschaugg the pandemonium lord
348453 | Zig:19   | Killed Beatzol the pandemonium lord
348453 | Zig:19   | Killed Uxourakk the pandemonium lord
348453 | Zig:19   | Killed Udusynol the pandemonium lord
348454 | Zig:19   | Killed Ullum the pandemonium lord
348454 | Zig:19   | Killed Sourghus the pandemonium lord
348454 | Zig:19   | Killed Piletaed the pandemonium lord
348455 | Zig:19   | HP: 1/218 [Besubi the pandemonium lord (18)]
348456 | Zig:19   | Slain by Ywnou the pandemonium lord (3 damage)
348458 | Zig:19   | Killed Ovemuem the pandemonium lord
348459 | Zig:19   | Killed Owageus the pandemonium lord
348459 | Zig:19   | Demolished by Ciset the pandemonium lord (26 damage)
348460 | Zig:19   | Killed Ynit the pandemonium lord
348461 | Zig:19   | HP: 4/218 [Besubi the pandemonium lord (32)]
348462 | Zig:19   | Demolished by Ywnou the pandemonium lord (20 damage)
348463 | Zig:19   | Noticed Waiw the pandemonium lord
348463 | Zig:19   | Noticed Kitoeng the pandemonium lord
348463 | Zig:19   | Noticed Horuax the pandemonium lord
348463 | Zig:19   | Noticed Vohycoin the pandemonium lord
348463 | Zig:19   | Noticed Pygegeiz the pandemonium lord
348463 | Zig:19   | Noticed Keleagu the pandemonium lord
348463 | Zig:19   | Noticed Xiybb the pandemonium lord
348463 | Zig:19   | Noticed Caniewna the pandemonium lord
348463 | Zig:19   | Noticed Kaemamuh the pandemonium lord
348463 | Zig:19   | Noticed Rettoymo the pandemonium lord
348463 | Zig:19   | Noticed Bioddemp the pandemonium lord
348463 | Zig:19   | Noticed Jumuex the pandemonium lord
348463 | Zig:19   | Noticed Botu Caku the pandemonium lord
348464 | Zig:19   | Noticed Dacob the pandemonium lord
348464 | Zig:19   | Noticed Xujatace the pandemonium lord
348465 | Zig:19   | Noticed Faco the pandemonium lord
348465 | Zig:19   | Noticed Gainoloi the pandemonium lord
348465 | Zig:19   | Killed Maigosel the pandemonium lord
348468 | Zig:19   | Slain by Awew the pandemonium lord (12 damage)
348470 | Zig:19   | Killed Dudozer the pandemonium lord
348470 | Zig:19   | Killed Okhieck the pandemonium lord
348470 | Zig:19   | Killed Gootru the pandemonium lord
348470 | Zig:19   | Killed Walicreph the pandemonium lord
348470 | Zig:19   | Noticed Exangonu the pandemonium lord
348471 | Zig:19   | Killed Bipnoc the pandemonium lord
348472 | Zig:19   | Noticed Casmuefu the pandemonium lord
348473 | Zig:19   | Killed Awew the pandemonium lord
348473 | Zig:19   | Killed Esy Fonu the pandemonium lord
348473 | Zig:19   | HP: 2/218 [iron giant/Casmuefu (11)]
348474 | Zig:19   | Killed Waleg the pandemonium lord
348474 | Zig:19   | Killed from afar by Ubloiwn Onyo the pandemonium lord (18
                  | damage)
                  | ... with a bolt of cold
348474 | Zig:19   | Noticed Equh the pandemonium lord
348475 | Zig:19   | Killed Rimufuo the pandemonium lord
348475 | Zig:19   | Killed Pitemn the pandemonium lord
348475 | Zig:19   | Killed Xudiaga the pandemonium lord
348475 | Zig:19   | Killed Ziphant the pandemonium lord
348475 | Zig:19   | Killed Horuax the pandemonium lord
348475 | Zig:19   | Noticed Mudgh the pandemonium lord
348475 | Zig:19   | Noticed Mufeogafu the pandemonium lord
348475 | Zig:19   | Killed Ruopysuh the pandemonium lord
348476 | Zig:19   | Noticed Koelliodai the pandemonium lord
348477 | Zig:19   | Killed Xujatace the pandemonium lord
348477 | Zig:19   | Noticed Mimaerul the pandemonium lord
348478 | Zig:19   | Killed Ubloiwn Onyo the pandemonium lord
348482 | Zig:19   | Killed Ciset the pandemonium lord
348482 | Zig:19   | Mangled by Pygegeiz the pandemonium lord (26 damage)
348482 | Zig:19   | Noticed Ekhioforgh the pandemonium lord
348483 | Zig:19   | Killed Foxzodwu the pandemonium lord
348484 | Zig:19   | Noticed Gomoc the pandemonium lord
348484 | Zig:19   | Noticed Acad the pandemonium lord
348485 | Zig:19   | HP: 2/218 [Ywnou the pandemonium lord (25)]
348485 | Zig:19   | Mangled by Pygegeiz the pandemonium lord (11 damage)
348485 | Zig:19   | Noticed Appiczaf the pandemonium lord
348487 | Zig:19   | Noticed Ralil the pandemonium lord
348488 | Zig:19   | Noticed Noym the pandemonium lord
348488 | Zig:19   | Noticed Muext the pandemonium lord
348488 | Zig:19   | Noticed Neoduiju the pandemonium lord
348489 | Zig:19   | Noticed Tocaecwosh the pandemonium lord
348491 | Zig:19   | Killed Dacob the pandemonium lord
348492 | Zig:19   | Killed Feroros the pandemonium lord
348492 | Zig:19   | Killed Inoffysh the pandemonium lord
348492 | Zig:19   | Killed Zinuhim the pandemonium lord
348492 | Zig:19   | Killed Ymi Rouz the pandemonium lord
348493 | Zig:19   | Noticed Xirus the pandemonium lord
348493 | Zig:19   | Noticed Ruk Ihei the pandemonium lord
348495 | Zig:19   | Slain by Exangonu the pandemonium lord (16 damage)
348499 | Zig:19   | Killed Jumuex the pandemonium lord
348500 | Zig:19   | Killed Ywnou the pandemonium lord
348502 | Zig:19   | Killed Kaemamuh the pandemonium lord
348502 | Zig:19   | HP: 2/218 [Caniewna the pandemonium lord/bolt of cold (18)]
348503 | Zig:19   | Killed Rettoymo the pandemonium lord
348503 | Zig:19   | Mangled by Caniewna the pandemonium lord (14 damage)
348505 | Zig:19   | Killed Vohycoin the pandemonium lord
348505 | Zig:19   | Killed Caniewna the pandemonium lord
348506 | Zig:19   | Killed Gainoloi the pandemonium lord
348506 | Zig:19   | Killed Kitoeng the pandemonium lord
348507 | Zig:19   | Killed Tocaecwosh the pandemonium lord
348508 | Zig:19   | Noticed Cunuyt the pandemonium lord
348510 | Zig:19   | Killed Pidetz the pandemonium lord
348511 | Zig:19   | Killed Besubi the pandemonium lord
348511 | Zig:19   | HP: 3/218 [Pygegeiz the pandemonium lord (22)]
348511 | Zig:19   | Slain by Pygegeiz the pandemonium lord (8 damage)
348512 | Zig:19   | Killed Gomoc the pandemonium lord
348516 | Zig:19   | Killed Pygegeiz the pandemonium lord
348517 | Zig:19   | Killed Faco the pandemonium lord
348518 | Zig:19   | Killed Xirus the pandemonium lord
348518 | Zig:19   | HP: 1/218 [Mufeogafu the pandemonium lord (14)]
348518 | Zig:19   | Slain by Mufeogafu the pandemonium lord (1 damage)
348521 | Zig:19   | Killed Mufeogafu the pandemonium lord
348524 | Zig:19   | Killed Exangonu the pandemonium lord
348524 | Zig:19   | Killed Appiczaf the pandemonium lord
348524 | Zig:19   | Killed Noym the pandemonium lord
348525 | Zig:19   | Killed Bioddemp the pandemonium lord
348525 | Zig:19   | Killed Casmuefu the pandemonium lord
348525 | Zig:19   | Killed Ekhioforgh the pandemonium lord
348525 | Zig:19   | Killed Neoduiju the pandemonium lord
348526 | Zig:19   | Killed Acad the pandemonium lord
348528 | Zig:19   | Killed Waiw the pandemonium lord
348529 | Zig:19   | Killed Keleagu the pandemonium lord
348529 | Zig:19   | Killed Xiybb the pandemonium lord
348529 | Zig:19   | Mangled by Equh the pandemonium lord (40 damage)
348529 | Zig:19   | Noticed Uwerhea the pandemonium lord
348530 | Zig:19   | Killed Koelliodai the pandemonium lord
348531 | Zig:19   | Killed Ruk Ihei the pandemonium lord
348531 | Zig:19   | Killed Cunuyt the pandemonium lord
348531 | Zig:19   | Killed Mudgh the pandemonium lord
348531 | Zig:19   | Killed Equh the pandemonium lord
348531 | Zig:19   | Killed Ralil the pandemonium lord
348534 | Zig:19   | Killed Muext the pandemonium lord
348537 | Zig:19   | Killed Mimaerul the pandemonium lord
348542 | Zig:19   | Killed Uwerhea the pandemonium lord
348543 | Zig:19   | HP: 9/218 [Botu Caku the pandemonium lord] (8)]
348547 | Zig:19   | Killed Botu Caku the pandemonium lord
348973 | Zig:19   | Identified the ring "Puehu" {+Blink rF+}
348975 | Zig:19   | Identified the +0 pair of boots "Suhomele" {Int+2 Slay+2}
348983 | Zig:19   | Identified the +10 halberd of Mourning {flame, rC++ rN+
                  | Str-2 Dex+4}
348990 | Zig:19   | Identified the +8 whip of Ascent {flame, rF+ Str+2}
348991 | Zig:19   | Identified the ring "Moawkarph" {rF+ Str+5 Dex+6}
348994 | Zig:19   | Identified the ring of Rarphelots {rElec rC- rN+ Str+3}
349002 | Zig:19   | Identified the +6 trident of Atuf {heavy, rElec}
349050 | Zig:19   | Identified the +10 great sword "Retzuamm" {heavy, rN+
                  | Str+2}
349051 | Zig:19   | Identified the +3 rapier "Retoats" {heavy, Will- Str+4
                  | Dex+5}
349082 | Zig:19   | Identified the +0 ring mail of the Butcher {Regen+ Dex+5
                  | Slay-6}
349147 | Zig:20   | Entered Level 20 of a ziggurat
349147 | Zig:20   | Noticed Cixeoruf the pandemonium lord
349147 | Zig:20   | Noticed Qusykkad the pandemonium lord
349147 | Zig:20   | Noticed Huleenodgh the pandemonium lord
349147 | Zig:20   | Noticed Pitijapi the pandemonium lord
349147 | Zig:20   | Noticed Acwu Jaome the pandemonium lord
349147 | Zig:20   | Noticed Ywofuagh the pandemonium lord
349147 | Zig:20   | Noticed Dukiahog the pandemonium lord
349147 | Zig:20   | Noticed Ziypuusk the pandemonium lord
349147 | Zig:20   | Noticed Hubocoe the pandemonium lord
349147 | Zig:20   | Noticed Oduwn the pandemonium lord
349147 | Zig:20   | Noticed Enouvoic the pandemonium lord
349147 | Zig:20   | Noticed Ulabbual the pandemonium lord
349147 | Zig:20   | Noticed Nuse the pandemonium lord
349147 | Zig:20   | Noticed Muhog the pandemonium lord
349147 | Zig:20   | Noticed Ynewola the pandemonium lord
349147 | Zig:20   | Noticed Lonu Jeh the pandemonium lord
349147 | Zig:20   | Noticed Ujiesi the pandemonium lord
349147 | Zig:20   | Noticed Tilaq the pandemonium lord
349147 | Zig:20   | Noticed Tayseetu the pandemonium lord
349147 | Zig:20   | Noticed Yrutwuoh the pandemonium lord
349147 | Zig:20   | Noticed Civ Xuutz the pandemonium lord
349147 | Zig:20   | Noticed Lixel the pandemonium lord
349147 | Zig:20   | Noticed Raen the pandemonium lord
349147 | Zig:20   | Noticed Habrakiw the pandemonium lord
349147 | Zig:20   | Noticed Gyaqucho the pandemonium lord
349147 | Zig:20   | Noticed Vixiw the pandemonium lord
349147 | Zig:20   | Noticed Inlonoi the pandemonium lord
349147 | Zig:20   | Noticed Jocoipp the pandemonium lord
349147 | Zig:20   | Noticed Wiare the pandemonium lord
349147 | Zig:20   | Noticed Peucurud the pandemonium lord
349147 | Zig:20   | Noticed Gethipt the pandemonium lord
349147 | Zig:20   | Noticed Satzawos the pandemonium lord
349147 | Zig:20   | Noticed Nitoic the pandemonium lord
349147 | Zig:20   | Noticed Goadung the pandemonium lord
349147 | Zig:20   | Noticed Jopex Zukodi the pandemonium lord
349147 | Zig:20   | Noticed Mejoegiq the pandemonium lord
349147 | Zig:20   | Noticed Cehealie the pandemonium lord
349147 | Zig:20   | Noticed Esiur the pandemonium lord
349147 | Zig:20   | Noticed Toasch the pandemonium lord
349147 | Zig:20   | Noticed Cixoggy the pandemonium lord
349150 | Zig:20   | Noticed Atuebluk the pandemonium lord
349150 | Zig:20   | Noticed Taegepow the pandemonium lord
349153 | Zig:20   | Noticed Qaecu the pandemonium lord
349153 | Zig:20   | Killed Esiur the pandemonium lord
349154 | Zig:20   | Noticed Gixkehiw the pandemonium lord
349155 | Zig:20   | Noticed Jipp the pandemonium lord
349156 | Zig:20   | Noticed Oreso the pandemonium lord
349156 | Zig:20   | Noticed Oromm the pandemonium lord
349156 | Zig:20   | Killed Cehealie the pandemonium lord
349156 | Zig:20   | Mangled by Civ Xuutz the pandemonium lord (21 damage)
349156 | Abyss:6  | Cast into level 6 of the Abyss (Gyaqucho)
349182 | Zig:20   | Escaped the Abyss
349182 | Zig:20   | Noticed Fovalilar the pandemonium lord
349182 | Zig:20   | Noticed Lavo Toluch the pandemonium lord
349182 | Zig:20   | Noticed Logg the pandemonium lord
349182 | Zig:20   | Noticed Willaty the pandemonium lord
349182 | Zig:20   | Noticed Etionn the pandemonium lord
349182 | Zig:20   | Noticed Jitul the pandemonium lord
349182 | Zig:20   | Noticed Irussull the pandemonium lord
349182 | Zig:20   | Noticed Nefu Ala the pandemonium lord
349182 | Zig:20   | Noticed Astruongoavu the pandemonium lord
349182 | Zig:20   | Noticed Tecveal the pandemonium lord
349182 | Zig:20   | Noticed Fyfoib the pandemonium lord
349182 | Zig:20   | Noticed Uraguipt the pandemonium lord
349182 | Zig:20   | Noticed Sekhlehe the pandemonium lord
349182 | Zig:20   | Noticed Ipyac the pandemonium lord
349182 | Zig:20   | Noticed Zeyc the pandemonium lord
349182 | Zig:20   | Noticed Zuanohot the pandemonium lord
349182 | Zig:20   | Noticed Ejiboph the pandemonium lord
349182 | Zig:20   | Noticed Geimmow the pandemonium lord
349182 | Zig:20   | Noticed Ijitryown the pandemonium lord
349182 | Zig:20   | Noticed Utuobb the pandemonium lord
349182 | Zig:20   | Noticed Geopuat the pandemonium lord
349182 | Zig:20   | Noticed Mokaomurgh the pandemonium lord
349182 | Zig:20   | Noticed Etrerudann the pandemonium lord
349184 | Zig:20   | Noticed Ninies the pandemonium lord
349184 | Zig:20   | Noticed Gaicow the pandemonium lord
349185 | Zig:20   | Noticed Ewkof the pandemonium lord
349185 | Zig:20   | Killed Ujiesi the pandemonium lord
349185 | Zig:20   | Killed Toasch the pandemonium lord
349185 | Zig:20   | Killed Jopex Zukodi the pandemonium lord
349185 | Zig:20   | Killed Goadung the pandemonium lord
349185 | Zig:20   | Killed Peucurud the pandemonium lord
349185 | Zig:20   | Killed Mejoegiq the pandemonium lord
349186 | Zig:20   | Noticed Tantur the pandemonium lord
349186 | Zig:20   | Noticed Qeeps the pandemonium lord
349186 | Zig:20   | Noticed Natubuetz the pandemonium lord
349186 | Zig:20   | Killed Civ Xuutz the pandemonium lord
349186 | Zig:20   | Slain by Cixoggy the pandemonium lord (15 damage)
349187 | Zig:20   | Killed Vixiw the pandemonium lord
349187 | Zig:20   | Killed Nitoic the pandemonium lord
349187 | Zig:20   | Killed Nuse the pandemonium lord
349187 | Zig:20   | Killed Jocoipp the pandemonium lord
349187 | Zig:20   | Noticed Lurug the pandemonium lord
349188 | Zig:20   | Noticed Komeci the pandemonium lord
349188 | Zig:20   | Killed Lavo Toluch the pandemonium lord
349188 | Zig:20   | Noticed Cevyvien the pandemonium lord
349188 | Zig:20   | Noticed Xyism the pandemonium lord
349188 | Zig:20   | Noticed Fyng the pandemonium lord
349188 | Zig:20   | Noticed Ofimad the pandemonium lord
349188 | Zig:20   | Noticed Rioq the pandemonium lord
349188 | Zig:20   | Noticed Adaol the pandemonium lord
349188 | Zig:20   | Noticed Douvumam the pandemonium lord
349188 | Zig:20   | Noticed Leuh the pandemonium lord
349188 | Zig:20   | Noticed Busmoojo the pandemonium lord
349188 | Zig:20   | Noticed Dosychi the pandemonium lord
349188 | Zig:20   | Noticed Ezxot the pandemonium lord
349188 | Zig:20   | Noticed Dyppeorer the pandemonium lord
349188 | Zig:20   | Noticed Moropit the pandemonium lord
349188 | Zig:20   | Noticed Edwuequi the pandemonium lord
349188 | Zig:20   | Noticed Woatyitsocs the pandemonium lord
349188 | Zig:20   | Noticed Cof Geess the pandemonium lord
349188 | Zig:20   | Noticed Wuad the pandemonium lord
349188 | Zig:20   | Noticed Zihudumy the pandemonium lord
349188 | Zig:20   | Noticed Qacasal the pandemonium lord
349188 | Zig:20   | Noticed Hommuez the pandemonium lord
349188 | Zig:20   | Noticed Enistrua the pandemonium lord
349188 | Zig:20   | Noticed Tiacreu the pandemonium lord
349188 | Zig:20   | Noticed Lurymeaz the pandemonium lord
349188 | Zig:20   | Noticed Feloiphi the pandemonium lord
349188 | Zig:20   | Noticed Marchousch the pandemonium lord
349188 | Zig:20   | Noticed Itoud the pandemonium lord
349188 | Zig:20   | Noticed Nuthrec the pandemonium lord
349188 | Zig:20   | Noticed Vutzuci the pandemonium lord
349188 | Zig:20   | Noticed Xech the pandemonium lord
349188 | Zig:20   | Noticed Ressu the pandemonium lord
349188 | Zig:20   | Noticed Zocviduciu the pandemonium lord
349189 | Zig:20   | Noticed Iruisou the pandemonium lord
349191 | Zig:20   | Noticed Sityeme the pandemonium lord
349192 | Zig:20   | Noticed Dups the pandemonium lord
349192 | Zig:20   | Killed Gixkehiw the pandemonium lord
349192 | Zig:20   | Killed Wiare the pandemonium lord
349192 | Zig:20   | Killed Cixeoruf the pandemonium lord
349192 | Zig:20   | Killed Inlonoi the pandemonium lord
349193 | Zig:20   | Noticed Cacwoomn the pandemonium lord
349193 | Zig:20   | HP: 9/218 [Ijitryown the pandemonium lord/freezing blast
                  | (7)]
349193 | Zig:20   | Killed Gethipt the pandemonium lord
349194 | Zig:20   | Noticed Jechub the pandemonium lord
349194 | Zig:20   | Killed Ijitryown the pandemonium lord
349194 | Zig:20   | Killed Qusykkad the pandemonium lord
349194 | Zig:20   | Killed Satzawos the pandemonium lord
349194 | Zig:20   | Noticed Leekal the pandemonium lord
349194 | Zig:20   | Demolished by Qeeps the pandemonium lord (23 damage)
349194 | Zig:20   | Noticed Teint the pandemonium lord
349195 | Zig:20   | Noticed Keweicik the pandemonium lord
349196 | Zig:20   | Noticed Pitso the pandemonium lord
349196 | Zig:20   | Killed Ipyac the pandemonium lord
349197 | Zig:20   | Killed Xyism the pandemonium lord
349197 | Zig:20   | Noticed Yfuubuikk the pandemonium lord
349198 | Zig:20   | Killed Oromm the pandemonium lord
349198 | Zig:20   | Killed Hubocoe the pandemonium lord
349198 | Zig:20   | Killed Tiacreu the pandemonium lord
349198 | Zig:20   | Killed Hommuez the pandemonium lord
349198 | Zig:20   | Killed Ofimad the pandemonium lord
349199 | Zig:20   | Noticed Syss the pandemonium lord
349199 | Zig:20   | Killed Dyppeorer the pandemonium lord
349199 | Zig:20   | Killed Feloiphi the pandemonium lord
349200 | Zig:20   | Killed Utuobb the pandemonium lord
349200 | Zig:20   | Killed Cacwoomn the pandemonium lord
349201 | Zig:20   | Killed Qeeps the pandemonium lord
349201 | Zig:20   | Killed Busmoojo the pandemonium lord
349201 | Zig:20   | Killed Yfuubuikk the pandemonium lord
349201 | Zig:20   | Killed Edwuequi the pandemonium lord
349201 | Zig:20   | Killed Jipp the pandemonium lord
349202 | Zig:20   | Killed Xech the pandemonium lord
349203 | Zig:20   | Killed Habrakiw the pandemonium lord
349203 | Zig:20   | Killed Yrutwuoh the pandemonium lord
349203 | Zig:20   | Killed Rioq the pandemonium lord
349203 | Zig:20   | Killed Itoud the pandemonium lord
349204 | Zig:20   | Killed Lurymeaz the pandemonium lord
349205 | Zig:20   | Killed Ewkof the pandemonium lord
349205 | Zig:20   | Killed Cof Geess the pandemonium lord
349205 | Zig:20   | Killed Astruongoavu the pandemonium lord
349205 | Zig:20   | Killed from afar by Ziypuusk the pandemonium lord (21
                  | damage)
                  | ... with an arc of chain lightning
349205 | Zig:20   | Killed Vutzuci the pandemonium lord
349205 | Zig:20   | Killed Leuh the pandemonium lord
349205 | Zig:20   | Killed Pitso the pandemonium lord
349205 | Zig:20   | Killed Wuad the pandemonium lord
349205 | Zig:20   | Killed Ressu the pandemonium lord
349205 | Zig:20   | Killed Zihudumy the pandemonium lord
349205 | Zig:20   | Killed Lixel the pandemonium lord
349205 | Zig:20   | Killed Syss the pandemonium lord
349205 | Zig:20   | Killed Ejiboph the pandemonium lord
349205 | Zig:20   | Noticed Tunkiuresh the pandemonium lord
349205 | Zig:20   | Noticed Sisodgh the pandemonium lord
349205 | Zig:20   | Killed Acwu Jaome the pandemonium lord
349206 | Zig:20   | Killed Tayseetu the pandemonium lord
349206 | Zig:20   | Killed Cixoggy the pandemonium lord
349206 | Zig:20   | Killed Dups the pandemonium lord
349206 | Zig:20   | Killed Teint the pandemonium lord
349206 | Zig:20   | Killed Leekal the pandemonium lord
349206 | Zig:20   | Killed Pitijapi the pandemonium lord
349206 | Zig:20   | Killed Ziypuusk the pandemonium lord
349206 | Zig:20   | Killed Lonu Jeh the pandemonium lord
349206 | Zig:20   | Killed Ezxot the pandemonium lord
349206 | Zig:20   | Killed Atuebluk the pandemonium lord
349206 | Zig:20   | Killed Tantur the pandemonium lord
349206 | Zig:20   | Killed Taegepow the pandemonium lord
349206 | Zig:20   | Killed Mokaomurgh the pandemonium lord
349206 | Zig:20   | Killed Tilaq the pandemonium lord
349206 | Zig:20   | Killed Ynewola the pandemonium lord
349206 | Zig:20   | Killed Dukiahog the pandemonium lord
349206 | Zig:20   | Killed Gyaqucho the pandemonium lord
349206 | Zig:20   | Noticed Tagef the pandemonium lord
349207 | Zig:20   | Killed Uraguipt the pandemonium lord
349207 | Zig:20   | Killed Nuthrec the pandemonium lord
349207 | Zig:20   | Killed Jechub the pandemonium lord
349207 | Zig:20   | Killed Qaecu the pandemonium lord
349207 | Zig:20   | Killed Oreso the pandemonium lord
349207 | Zig:20   | Killed Ywofuagh the pandemonium lord
349207 | Zig:20   | Killed Woatyitsocs the pandemonium lord
349207 | Zig:20   | Killed Willaty the pandemonium lord
349207 | Zig:20   | Killed Ulabbual the pandemonium lord
349207 | Zig:20   | Killed Komeci the pandemonium lord
349207 | Zig:20   | Noticed Somiejo the pandemonium lord
349207 | Zig:20   | Noticed Pesch the pandemonium lord
349208 | Zig:20   | Killed Muhog the pandemonium lord
349208 | Zig:20   | Killed Lurug the pandemonium lord
349209 | Zig:20   | Killed Sityeme the pandemonium lord
349210 | Zig:20   | Killed Enouvoic the pandemonium lord
349210 | Zig:20   | Noticed Aqousim the pandemonium lord
349211 | Zig:20   | Noticed Cuemutwo the pandemonium lord
349213 | Zig:20   | Noticed Puhaw the pandemonium lord
349214 | Zig:20   | Killed Etrerudann the pandemonium lord
349214 | Zig:20   | Noticed Couj the pandemonium lord
349215 | Zig:20   | Noticed Caityon the pandemonium lord
349216 | Zig:20   | Killed Jitul the pandemonium lord
349216 | Zig:20   | Killed Marchousch the pandemonium lord
349216 | Zig:20   | Killed Geopuat the pandemonium lord
349218 | Zig:20   | Killed Tagef the pandemonium lord
349219 | Zig:20   | Killed Sisodgh the pandemonium lord
349220 | Zig:20   | Killed Gaicow the pandemonium lord
349220 | Zig:20   | Noticed Xefiown the pandemonium lord
349222 | Zig:20   | Noticed Onneog Qudi the pandemonium lord
349224 | Zig:20   | Killed Fyng the pandemonium lord
349226 | Zig:20   | Noticed Puturyopp the pandemonium lord
349226 | Zig:20   | Killed Logg the pandemonium lord
349226 | Zig:20   | Killed Cevyvien the pandemonium lord
349228 | Zig:20   | Killed Somiejo the pandemonium lord
349229 | Zig:20   | Killed Aqousim the pandemonium lord
349230 | Zig:20   | Killed Qacasal the pandemonium lord
349231 | Zig:20   | Killed Fovalilar the pandemonium lord
349232 | Zig:20   | Killed Ninies the pandemonium lord
349234 | Zig:20   | Killed Sekhlehe the pandemonium lord
349234 | Zig:20   | Noticed Qexuur the pandemonium lord
349234 | Zig:20   | Killed Fyfoib the pandemonium lord
349235 | Zig:20   | Killed Nefu Ala the pandemonium lord
349235 | Zig:20   | Slain by Irussull the pandemonium lord (21 damage)
349237 | Zig:20   | Killed Iruisou the pandemonium lord
349237 | Zig:20   | Noticed Buqianyd the pandemonium lord
349238 | Zig:20   | Killed Geimmow the pandemonium lord
349239 | Zig:20   | Killed Zeyc the pandemonium lord
349239 | Zig:20   | Noticed Uczilob the pandemonium lord
349242 | Zig:20   | Killed Qexuur the pandemonium lord
349243 | Zig:20   | Killed Keweicik the pandemonium lord
349245 | Zig:20   | Killed Huleenodgh the pandemonium lord
349246 | Zig:20   | Noticed Gidepenu the pandemonium lord
349246 | Zig:20   | Noticed Zoasug the pandemonium lord
349246 | Zig:20   | Noticed Mydoseer the pandemonium lord
349246 | Zig:20   | Noticed Bemub the pandemonium lord
349246 | Zig:20   | Noticed Hyit the pandemonium lord
349246 | Zig:20   | Noticed Yngeis the pandemonium lord
349246 | Zig:20   | Noticed Olaodu the pandemonium lord
349247 | Zig:20   | Noticed Meto the pandemonium lord
349247 | Zig:20   | Noticed Biar the pandemonium lord
349247 | Zig:20   | Noticed Sousidit the pandemonium lord
349247 | Zig:20   | Noticed Tonavil the pandemonium lord
349247 | Zig:20   | Noticed Sapiukhics the pandemonium lord
349248 | Zig:20   | Noticed Heruwk the pandemonium lord
349249 | Zig:20   | Noticed Onkoan the pandemonium lord
349250 | Zig:20   | Noticed Xajiocor the pandemonium lord
349250 | Zig:20   | Noticed Ydeevaed the pandemonium lord
349250 | Zig:20   | Noticed Nuruvec the pandemonium lord
349251 | Zig:20   | Killed Oduwn the pandemonium lord
349251 | Zig:20   | Killed Moropit the pandemonium lord
349251 | Zig:20   | Killed Etionn the pandemonium lord
349251 | Zig:20   | Noticed Sorudyt the pandemonium lord
349252 | Zig:20   | Noticed Fesoergh the pandemonium lord
349252 | Zig:20   | Killed Mydoseer the pandemonium lord
349252 | Zig:20   | HP: 3/218 [Executioner (10)]
349252 | Zig:20   | Killed Zuanohot the pandemonium lord
349253 | Zig:20   | Noticed Qixoexak the pandemonium lord
349253 | Zig:20   | Killed Raen the pandemonium lord
349253 | Zig:20   | Killed from afar by Onkoan the pandemonium lord (5 damage)
                  | ... with an arc of chain lightning
349253 | Zig:20   | Killed Zocviduciu the pandemonium lord
349253 | Zig:20   | Noticed Moxok the pandemonium lord
349254 | Zig:20   | Killed Couj the pandemonium lord
349254 | Zig:20   | Killed Zoasug the pandemonium lord
349254 | Zig:20   | Killed Caityon the pandemonium lord
349254 | Abyss:6  | Cast into level 6 of the Abyss (Puhaw)
349290 | Abyss:6  | Noticed a dread lich
349305 | Abyss:6  | Killed a dread lich
349317 | Zig:20   | Escaped the Abyss
349317 | Zig:20   | Killed Xajiocor the pandemonium lord
349317 | Zig:20   | Killed Heruwk the pandemonium lord
349318 | Zig:20   | Noticed Tov Jilee the pandemonium lord
349318 | Zig:20   | Killed Sousidit the pandemonium lord
349318 | Zig:20   | Killed Olaodu the pandemonium lord
349318 | Zig:20   | Noticed Tahy the pandemonium lord
349318 | Zig:20   | Killed Pesch the pandemonium lord
349318 | Zig:20   | Noticed Katargh the pandemonium lord
349319 | Zig:20   | Killed Natubuetz the pandemonium lord
349319 | Zig:20   | Killed Cuemutwo the pandemonium lord
349319 | Zig:20   | Killed Adaol the pandemonium lord
349319 | Zig:20   | Killed Bemub the pandemonium lord
349319 | Zig:20   | Killed Meto the pandemonium lord
349319 | Zig:20   | Killed Enistrua the pandemonium lord
349320 | Zig:20   | Killed Buqianyd the pandemonium lord
349320 | Zig:20   | Killed Onneog Qudi the pandemonium lord
349320 | Zig:20   | Killed Puhaw the pandemonium lord
349320 | Zig:20   | Killed Douvumam the pandemonium lord
349320 | Zig:20   | Killed Yngeis the pandemonium lord
349320 | Zig:20   | Killed Tunkiuresh the pandemonium lord
349320 | Zig:20   | Killed Sapiukhics the pandemonium lord
349320 | Zig:20   | Killed Tecveal the pandemonium lord
349320 | Zig:20   | Killed Tov Jilee the pandemonium lord
349320 | Zig:20   | Killed Gidepenu the pandemonium lord
349321 | Zig:20   | Killed Irussull the pandemonium lord
349321 | Zig:20   | Killed Xefiown the pandemonium lord
349321 | Zig:20   | Killed Uczilob the pandemonium lord
349321 | Zig:20   | Killed Hyit the pandemonium lord
349321 | Zig:20   | Killed Onkoan the pandemonium lord
349321 | Zig:20   | Killed Fesoergh the pandemonium lord
349321 | Zig:20   | Killed Katargh the pandemonium lord
349321 | Zig:20   | Noticed Vuugurph the pandemonium lord
349321 | Zig:20   | Noticed Eneuddabb the pandemonium lord
349322 | Zig:20   | Killed Dosychi the pandemonium lord
349323 | Zig:20   | Noticed Iklimon the pandemonium lord
349325 | Zig:20   | Killed Qixoexak the pandemonium lord
349325 | Zig:20   | Killed Sorudyt the pandemonium lord
349325 | Zig:20   | Killed Ydeevaed the pandemonium lord
349327 | Zig:20   | Killed Puturyopp the pandemonium lord
349327 | Zig:20   | Killed Tahy the pandemonium lord
349328 | Zig:20   | Killed Eneuddabb the pandemonium lord
349330 | Zig:20   | Killed Vuugurph the pandemonium lord
349331 | Zig:20   | Killed Biar the pandemonium lord
349332 | Zig:20   | Killed from afar by Nuruvec the pandemonium lord (38
                  | damage)
                  | ... with an iron shot
349333 | Zig:20   | Killed Moxok the pandemonium lord
349335 | Zig:20   | Killed Iklimon the pandemonium lord
349345 | Zig:20   | Killed Tonavil the pandemonium lord
349349 | Zig:20   | Killed Nuruvec the pandemonium lord
349494 | Zig:20   | Identified the staff "Wuawkah" {rElec rF+ Fire}
349495 | Zig:20   | Identified the ring "Unki" {rF+++ rN+ MP+9 Str+2 Dex+6}
349497 | Zig:20   | Identified the ring "Puuniv" {rC+ Will+}
349513 | Zig:20   | Identified the +20 crystal plate armour of Nivo Inu {rElec
                  | rPois Will+}
349515 | Zig:20   | Identified the +1 pair of gloves of Zuimn {Rampage Will+
                  | Int-3}
349520 | Zig:20   | Identified the amulet "Anuiss" {Spirit rPois Regen+}
349533 | Zig:20   | Identified the orb of Loppe {*Rage, Harm Rampage Str+2
                  | Int+3}
349534 | Zig:20   | Identified the +6 hand axe "Gesan" {protect, *Rage rF+
                  | Str+3 Int+3}
349557 | Zig:20   | Identified the ring "Ciuzaach" {Drain Fly Will+++ rCorr}
349562 | Zig:20   | Identified the ring "Vyokitaf" {*Corrode rPois rF+ Str+6
                  | Stlth+}
349567 | Zig:20   | Identified the +1 ring mail "Yhigebb" {rN+ Dex+3 Slay-2}
349605 | Zig:20   | Identified the amulet of the Salmon {Acrobat rPois}
349618 | Zig:21   | Entered Level 21 of a ziggurat
349624 | Zig:21   | HP: 5/218 [balrug/divine providence (14)]
349624 | Zig:21   | Killed by divine providence
                  | ... invoked by a balrug
                  | (8 damage)
349627 | Zig:21   | Killed by divine providence
                  | ... invoked by a balrug
                  | (7 damage)
349630 | Zig:21   | HP: 2/218 [Brimstone Fiend/damnation (29)]
349630 | Zig:21   | Demolished by a searing wretch (16 damage)
349636 | Zig:21   | Killed by divine providence
                  | ... invoked by a balrug
                  | (13 damage)
349641 | Zig:21   | HP: 9/218 [balrug/divine providence (12)]
349641 | Zig:21   | Noticed a dread lich
349642 | Zig:21   | Killed by divine providence
                  | ... invoked by a balrug
                  | (9 damage)
349649 | Zig:21   | Killed from afar by a balrug (32 damage)
                  | ... with a bolt of fire
349653 | Zig:21   | HP: 1/218 [balrug/divine providence (12)]
349653 | Zig:21   | Killed from afar by a fire giant (49 damage)
                  | ... with a bolt of fire
349656 | Zig:21   | Killed from afar by a hellephant (64 damage)
                  | ... with a blast of flame
349660 | Zig:21   | Noticed an ancient lich
349673 | Zig:21   | Killed a dread lich
349674 | Zig:21   | HP: 1/218 [balrug/divine providence (10)]
349674 | Zig:21   | Killed by divine providence
                  | ... invoked by a balrug
                  | (12 damage)
349678 | Zig:21   | Killed by divine providence
                  | ... invoked by a balrug
                  | (14 damage)
349682 | Zig:21   | Killed by divine providence
                  | ... invoked by a balrug
                  | (15 damage)
349683 | Zig:21   | Killed an ancient lich
349687 | Zig:21   | HP: 4/218 [balrug/divine providence (8)]
349687 | Zig:21   | Killed by divine providence
                  | ... invoked by a balrug
                  | (10 damage)
349690 | Zig:21   | Annihilated by a searing wretch (49 damage)
349690 | Zig:21   | Noticed a dread lich
349695 | Zig:21   | HP: 3/218 [balrug/divine providence (14)]
349695 | Zig:21   | Killed by divine providence
                  | ... invoked by a balrug
                  | (15 damage)
349698 | Zig:21   | Annihilated by a searing wretch (49 damage)
349700 | Zig:21   | HP: 1/218 [balrug/divine providence (15)]
349701 | Zig:21   | Incinerated by a balrug (1 damage)
                  | ... with a sticky flame
349704 | Zig:21   | Killed a dread lich
349704 | Zig:21   | Killed from afar by a hellephant (112 damage)
                  | ... with a blast of flame
349708 | Zig:21   | HP: 10/218 [??? (1)]
349708 | Zig:21   | Killed by divine providence
                  | ... invoked by a balrug
                  | (14 damage)
349713 | Zig:21   | Demolished by a searing wretch (33 damage)
349717 | Zig:21   | HP: 4/218 [balrug/divine providence (9)]
349717 | Zig:21   | Killed from afar by a hellephant (90 damage)
                  | ... with a blast of flame
349722 | Zig:21   | HP: 6/218 [balrug/divine providence (12)]
349723 | Zig:21   | Killed from afar by a hellion (21 damage)
                  | ... with damnation
349729 | Zig:21   | HP: 10/218 [??? (1)]
349729 | Zig:21   | HP: 1/218 [balrug/divine providence (9)]
349729 | Zig:21   | Killed by divine providence
                  | ... invoked by a balrug
                  | (13 damage)
349734 | Zig:21   | HP: 4/218 [balrug/divine providence (12)]
349735 | Zig:21   | Killed from afar by a balrug (30 damage)
                  | ... with a bolt of fire
349745 | Zig:21   | HP: 7/218 [balrug/divine providence (8)]
349746 | Zig:21   | Slain by a searing wretch (5 damage)
349766 | Zig:21   | Killed from afar by a hellion (20 damage)
                  | ... with damnation
349783 | Zig:21   | HP: 4/218 [hellion/damnation (20)]
350135 | Zig:21   | Learned a level 6 spell: Conjure Ball Lightning
350147 | Zig:21   | Learned a level 9 spell: Fire Storm
350166 | Zig:21   | Identified the +7 battleaxe of Crystal {pain, rN+ Stlth+}
350169 | Zig:21   | Identified the ring "Nikkess" {rElec rF++ rC++ AC+4}
350171 | Zig:21   | Identified the staff of the Shining Light {rF+ rN+ Str-4
                  | Dex+2 Necro}
350175 | Zig:21   | Identified the +6 great sword of the Known World {heavy,
                  | SInv}
350178 | Zig:21   | Identified the ring "Muutoefe" {Ice Int+2}
350180 | Zig:21   | Identified the +8 mace "Sengadd" {heavy, Int+3 SInv}
350191 | Zig:21   | Identified the staff "Beetle's Foe" {Int+4 Earth}
350207 | Zig:21   | Identified the staff "Zuh Pies" {rF+ rN++ rCorr Str+3 Fire}
350212 | Zig:21   | Identified the +9 great sword of the Endless March {venom,
                  | Dex+2}
350216 | Zig:21   | Acquired 1120 gold pieces
350244 | Zig:21   | Identified the +0 hand axe "Wastick" {heavy, Fly rPois rN+
                  | Dex-3}
350331 | Zig:21   | Identified the ring "Ymumno Bage" {Wiz Will++ Str+3 Stlth-}
350333 | Zig:21   | Identified the +5 mace "Kamisaogoyj" {freeze, Str-5 Dex+7}
350335 | Zig:21   | Identified the +4 long sword of Faicasm {venom, rC+}
350337 | Zig:21   | Identified the +2 falchion of Superiority {flame, Dex+5}
350350 | Zig:21   | Identified the +9 morningstar "Jiokk" {venom, Fly rPois
                  | Int+7}
350374 | Zig:22   | Entered Level 22 of a ziggurat
350381 | Zig:22   | HP: 10/218 [spore (3)]
350381 | Zig:22   | Killed from afar by a blizzard demon (17 damage)
                  | ... with a bolt of cold
350385 | Zig:22   | Killed from afar by an Ice Fiend (33 damage)
                  | ... with a bolt of cold
350393 | Zig:22   | HP: 6/218 [spore (9)]
350395 | Zig:22   | Killed from afar by an Ice Fiend (7 damage)
                  | ... with a bolt of cold
350398 | Zig:22   | HP: 4/218 [Ice Fiend (39)]
350398 | Zig:22   | Killed from afar by a blizzard demon (6 damage)
                  | ... with a bolt of lightning
350409 | Zig:22   | HP: 3/218 [spore (56)]
350410 | Zig:22   | Killed by an exploding ballistomycete spore (4 damage)
                  | ... set off by their pet
350418 | Zig:22   | Paralysed by a wendigo for 1 turns
350418 | Zig:22   | Killed from afar by an Ice Fiend (31 damage)
                  | ... with a bolt of cold
                  | ... while paralysed by a wendigo
350426 | Zig:22   | Paralysed by a wendigo for 1 turns
350429 | Zig:22   | Killed by an exploding ballistomycete spore (59 damage)
                  | ... set off by their pet
350433 | Zig:22   | Paralysed by a wendigo for 1 turns
350437 | Zig:22   | HP: 10/218 [Ice Fiend/bolt of cold (1)]
350437 | Zig:22   | Killed by an exploding ballistomycete spore (26 damage)
                  | ... set off by their pet
350444 | Zig:22   | Paralysed by a wendigo for 1 turns
350448 | Zig:22   | HP: 7/218 [spore (22)]
350449 | Zig:22   | Killed by an exploding ballistomycete spore (30 damage)
                  | ... set off by their pet
350458 | Zig:22   | Killed from afar by an Ice Fiend (46 damage)
                  | ... with a bolt of cold
350463 | Zig:22   | HP: 4/218 [blizzard demon/the air (14)]
350463 | Zig:22   | Paralysed by a wendigo for 1 turns
350463 | Zig:22   | HP: 1/218 [wendigo/stunning burst (3)]
350464 | Zig:22   | Mangled by a wendigo (12 damage)
                  | ... while paralysed by a wendigo
350470 | Zig:22   | Killed by an exploding ballistomycete spore (45 damage)
350470 | Zig:22   | Paralysed by a wendigo for 1 turns
350475 | Zig:22   | HP: 9/218 [spore (22)]
350478 | Zig:22   | Killed by an exploding ballistomycete spore (15 damage)
                  | ... set off by their pet
350478 | Zig:22   | Paralysed by a wendigo for 1 turns
350480 | Zig:22   | Mangled by a wendigo (32 damage)
350485 | Zig:22   | Killed by an exploding ballistomycete spore (64 damage)
                  | ... set off by their pet
350495 | Zig:22   | Killed by an exploding ballistomycete spore (65 damage)
350499 | Zig:22   | Killed from afar by an Ice Fiend (50 damage)
                  | ... with a bolt of cold
350510 | Zig:22   | Killed from afar by an Ice Fiend (35 damage)
                  | ... with a bolt of cold
350558 | Zig:22   | Paralysed by a floating eye for 3 turns
350563 | Zig:22   | Paralysed by a floating eye for 2 turns
350847 | Zig:22   | Identified the staff "Comowk" {Fragile rPois rF+ rCorr
                  | Fire}
350852 | Zig:22   | Identified the +4 scimitar "Nuughi" {elec, Dex+7}
350860 | Zig:22   | Identified the +0 cloak of Spaghetti {Str+2 SInv}
350865 | Zig:22   | Identified the +4 mace of the Demonic God {distort, Int+6
                  | Dex+2}
350877 | Zig:22   | Identified the +1 leather armour of Vaehatoxt {+Inv rC-
                  | Dex+2}
350886 | Zig:22   | Identified the +3 battleaxe of Qaozu {spect, *Noise rC+ rN+
                  | rCorr}
350890 | Zig:22   | Identified the +2 falchion of the Jester {antimagic, Contam
                  | rPois Str+8 Dex+2}
350904 | Zig:22   | Identified the +0 glaive "Nalo Duwn" {venom, rPois Int-3
                  | Dex+6}
350906 | Zig:22   | Identified the +5 dagger "Pehuub" {protect, Will++ Dex+3
                  | Stlth-}
350931 | Zig:23   | Entered Level 23 of a ziggurat
350934 | Zig:23   | Noticed an ancient lich
350947 | Zig:23   | Killed an ancient lich
350949 | Zig:23   | HP: 9/218 [spore (29)]
350950 | Zig:23   | Killed by divine providence
                  | ... invoked by a smoke demon
                  | (9 damage)
350966 | Zig:23   | Killed by an exploding ballistomycete spore (31 damage)
                  | ... set off by their pet
350970 | Zig:23   | Paralysed by accursed screaming for 2 turns
350983 | Zig:23   | Paralysed by accursed screaming for 2 turns
350986 | Zig:23   | HP: 4/159 [bone dragon (11)]
350986 | Zig:23   | Mangled by a bone dragon (15 damage)
350994 | Zig:23   | Killed by an exploding bone dragon (12 damage)
                  | ... ignited by their inner flame
350999 | Zig:23   | Paralysed by accursed screaming for 2 turns
351000 | Zig:23   | HP: 7/218 [bone dragon (13)]
351000 | Zig:23   | HP: 2/218 [bone dragon (5)]
351001 | Zig:23   | Killed from afar by a starcursed mass (34 damage)
                  | ... with an accursed screaming
                  | ... while paralysed by accursed screaming
351007 | Zig:23   | Paralysed by accursed screaming for 2 turns
351013 | Zig:23   | Killed from afar by a starcursed mass (42 damage)
                  | ... with an accursed screaming
                  | ... summoned by a glowing orange brain
351017 | Zig:23   | HP: 5/159 [bone dragon (16)]
351017 | Zig:23   | Slain by a bone dragon (10 damage)
351019 | Zig:23   | Mangled by a demonspawn corrupter
                  | ... wielding a +0 dire flail
                  | (17 damage)
351025 | Zig:23   | Slain by a bone dragon (14 damage)
351030 | Zig:23   | HP: 2/179 [war gargoyle/spray of metal splinters[a
                  | demonspawn corrupter] (12)]
351031 | Zig:23   | Mangled by a bone dragon (11 damage)
351033 | Zig:23   | Paralysed by accursed screaming for 2 turns
351036 | Zig:23   | Killed from afar by a wretched star (27 damage)
                  | ... with a lance of force
351040 | Zig:23   | Demolished by a rockslime (44 damage)
                  | ... summoned by a demonspawn corrupter
351044 | Zig:23   | Paralysed by accursed screaming for 2 turns
351045 | Zig:23   | Slain by a bone dragon (12 damage)
                  | ... while paralysed by accursed screaming
351054 | Zig:23   | HP: 3/199 [bone dragon (8)]
351054 | Zig:23   | Slain by a bone dragon (3 damage)
351061 | Zig:23   | HP: 4/199 [starcursed mass/accursed screaming (32)]
351061 | Zig:23   | Paralysed by accursed screaming for 2 turns
351062 | Zig:23   | Killed from afar by a starcursed mass (26 damage)
                  | ... with an accursed screaming
                  | ... while paralysed by accursed screaming
351067 | Zig:23   | Paralysed by accursed screaming for 2 turns
351076 | Zig:23   | Killed from afar by a starcursed mass (50 damage)
                  | ... with an accursed screaming
351079 | Zig:23   | Demolished by a demonspawn corrupter
                  | ... wielding a +2 demon trident of venom
                  | (25 damage)
351080 | Zig:23   | Paralysed by accursed screaming for 2 turns
351081 | Zig:23   | Mangled by a golden dragon (24 damage)
                  | ... summoned by a demonspawn corrupter
                  | ... while paralysed by accursed screaming
351081 | Zig:23   | Annihilated by a golden dragon (58 damage)
                  | ... summoned by a demonspawn corrupter
                  | ... while paralysed by accursed screaming
351082 | Zig:23   | HP: 2/159 [golden dragon[a demonspawn corrupter] (16)]
351082 | Zig:23   | Annihilated by a golden dragon (27 damage)
                  | ... summoned by a demonspawn corrupter
                  | ... while paralysed by accursed screaming
351083 | Zig:23   | Killed from afar by a lich (75 damage)
                  | ... with a bolt of cold
351085 | Zig:23   | Killed by an exploding moth of wrath (55 damage)
                  | ... ignited by their inner flame
351088 | Zig:23   | Lost dexterity.
351090 | Zig:23   | Killed from afar by a wretched star (25 damage)
                  | ... with a lance of force
351093 | Zig:23   | Killed from afar by a will-o-the-wisp (46 damage)
                  | ... with a foxfire
351094 | Zig:23   | Paralysed by accursed screaming for 2 turns
351096 | Zig:23   | Identified the +0 tower shield "Gushryg" {Regen+}
351097 | Zig:23   | Slain by a spatial maelstrom (18 damage)
351100 | Zig:23   | Identified the ring "Ejua" {rElec rC+ Will+ Str+2}
351101 | Zig:23   | Paralysed by accursed screaming for 2 turns
351105 | Zig:23   | Killed from afar by a will-o-the-wisp (25 damage)
                  | ... with a foxfire
351106 | Zig:23   | Paralysed by accursed screaming for 2 turns
351107 | Zig:23   | HP: 4/159 [spatial maelstrom (14)]
351107 | Zig:23   | Slain by a spatial maelstrom (9 damage)
                  | ... while paralysed by accursed screaming
351117 | Zig:23   | Killed from afar by a starcursed mass (43 damage)
                  | ... with an accursed screaming
351119 | Zig:23   | Paralysed by accursed screaming for 2 turns
351119 | Zig:23   | HP: 8/179 [bone dragon (9)]
351119 | Zig:23   | Slain by a starcursed mass (10 damage)
                  | ... while paralysed by accursed screaming
351123 | Zig:23   | HP: 1/199 [bone dragon (18)]
351123 | Zig:23   | Mangled by a bone dragon (8 damage)
351124 | Zig:23   | Paralysed by accursed screaming for 2 turns
351126 | Zig:23   | Mangled by a bone dragon (16 damage)
351134 | Zig:23   | Paralysed by accursed screaming for 2 turns
351384 | Zig:23   | Identified the +3 ring mail of Waonwaku {Contam rElec rN++
                  | SInv}
351405 | Zig:23   | Identified the +1 short sword "Cagapp" {elec, rPois MP+9}
351406 | Zig:23   | Identified the +8 great sword of Mutilation {venom, rPois
                  | SInv}
351435 | Zig:23   | Identified the staff of Radicalism {rPois Int+2 Poison}
351440 | Zig:23   | Identified the +0 orcbow "Ledeenk" {freeze, Str+3 Int+3
                  | Stlth+}
351448 | Zig:23   | Identified the ring "Fesisyme" {Slay+3 SInv}
351460 | Zig:23   | Identified the +5 hand axe "Coorai" {vamp, rElec MP+9}
351473 | Zig:23   | Identified the +1 spear "Killer Bee's Peril" {holy, Will+
                  | Str+3}
351483 | Zig:23   | Identified the +10 mace of Contradiction {freeze, rN+}
351503 | Zig:24   | Entered Level 24 of a ziggurat
351530 | Zig:24   | HP: 9/218 [deep elf high priest/divine providence (12)]
351530 | Zig:24   | Shot with an arrow by a deep elf master archer (22 damage)
351556 | Zig:24   | HP: 3/218 [deep elf master archer/arrow (9)]
351556 | Zig:24   | Killed from afar by a deep elf high priest (32 damage)
                  | ... with damnation
351567 | Zig:24   | Identified the +0 robe of Noon {rPois rF- rN++ rCorr}
351577 | Zig:24   | Identified the +1 ring mail of Painted Creativity {rElec}
351630 | Zig:24   | Learned a level 9 spell: Dragon's Call
351632 | Zig:24   | Learned a level 1 spell: Apportation
351707 | Zig:24   | Identified the +7 ring mail of Majestic Satisfaction
                  | {+Blink rPois Int+2 Dex-5}
351739 | Zig:24   | Identified the ring of Noliycea {Str-4 Int+6 Slay+5}
351750 | Zig:24   | Identified the ring of Generosity {rC++ Will- rCorr}
351769 | Zig:24   | Identified the +2 shortbow of the Hammering Gods {elec,
                  | Will+++ rCorr Int-5 Dex-4}
351770 | Zig:24   | Identified the ring "Nois" {Ice Str-3 Int+6}
351772 | Zig:24   | Identified the +0 dagger of Pain and Death {freeze, rC+}
351773 | Zig:24   | Identified the +1 scale mail "Faawnaf" {Drain Str+4}
351778 | Zig:24   | Identified the +1 robe of Bodghozukh {Dex+3 Slay+5}
351801 | Zig:24   | Identified the +1 trident "Eto Esk" {heavy, +Blink rN+++
                  | Str+5}
351802 | Zig:24   | Identified the +1 falchion of Havoc {antimagic, rF- Str-5
                  | Dex+8}
351858 | Zig:24   | Acquired 777 gold pieces
351862 | Zig:24   | Acquired the +4 eveningstar of Cheese {venom, +Blink Str+4
                  | Dex-3}
351864 | Zig:24   | Acquired 1128 gold pieces
351866 | Zig:24   | Acquired 1231 gold pieces
351868 | Zig:24   | Acquired 1040 gold pieces
351876 | Zig:25   | Entered Level 25 of a ziggurat
351953 | Zig:25   | Killed by an exploding ballistomycete spore (56 damage)
                  | ... set off by their pet
352001 | Zig:25   | HP: 9/218 [spore (10)]
352003 | Zig:25   | Killed by an exploding ballistomycete spore (11 damage)
                  | ... set off by their pet
352020 | Zig:25   | Killed by an exploding ballistomycete spore (50 damage)
352205 | Zig:25   | Identified the +0 steam dragon scales "Tumupah" {rF++}
352207 | Zig:25   | Identified the +0 scale mail "Omocamafih" {Fly rF+ Int-3}
352208 | Zig:25   | Identified the +8 arbalest of Acziup {penet, rN++}
352221 | Zig:25   | Identified the +4 mace "Okiblunk" {freeze, rElec Int+2
                  | Dex+5}
352226 | Zig:25   | Identified the +8 war axe "Hiduki" {flame, Str+3}
352227 | Zig:25   | Identified the +1 leather armour "Duemelov" {rF+ Dex+3}
352232 | Zig:25   | Identified the +1 spear of Mutilation {holy, rF- Str+5
                  | SInv}
352237 | Zig:25   | Identified the +11 morningstar of a volcano {venom, rF+}
352243 | Zig:25   | Identified the ring of Zedaogemaph {rF+ rC+ Int+3 Stlth+}
352249 | Zig:25   | Identified the ring "Wemos" {Ice rElec rN+ rCorr}
352274 | Zig:25   | Identified the +0 whip "Xemao" {flame, Stlth+}
352281 | Zig:25   | Identified the +0 quarterstaff of Amiheg {flame, Str+5}
352336 | Zig:25   | Identified the +0 plate armour of Kibuwy {rPois rF- Regen+
                  | Stlth-}
352342 | Zig:25   | Identified the ring "Ikaad" {Fly rF+ rC+ Dex-5}
352358 | Zig:25   | Identified the +9 dagger of the Exiled Priests {distort,
                  | Will+ Str+3 Dex-3}
352398 | Zig:26   | Entered Level 26 of a ziggurat
352423 | Zig:26   | HP: 6/218 [acid blob/splash of acid (10)]
352426 | Zig:26   | HP: 2/218 [acid blob/splash of acid (1)]
352426 | Zig:26   | Killed from afar by an acid blob (11 damage)
                  | ... with a splash of acid
352436 | Zig:26   | HP: 2/218 [spore (9)]
352436 | Zig:26   | Killed from afar by an acid blob (12 damage)
                  | ... with a splash of acid
352448 | Zig:26   | Killed from afar by an acid blob (15 damage)
                  | ... with a splash of acid
352455 | Zig:26   | HP: 7/218 [acid blob/splash of acid (10)]
352456 | Zig:26   | Mangled by an acid blob (14 damage)
352464 | Zig:26   | Killed by an exploding ballistomycete spore (34 damage)
352472 | Zig:26   | HP: 7/218 [spore (49)]
352473 | Zig:26   | Killed by an exploding ballistomycete spore (35 damage)
352480 | Zig:26   | Killed by an exploding ballistomycete spore (65 damage)
                  | ... set off by their pet
352481 | Zig:26   | Gained mutation: You are occasionally teleported next to
                  | monsters. [a shining eye]
352483 | Zig:26   | HP: 1/218 [slime creature (21)]
352484 | Zig:26   | Killed by an exploding ballistomycete spore (58 damage)
                  | ... set off by their pet
352845 | Zig:26   | Identified the ring "Rorphusen" {rF++ Will+ MP+9 SInv
                  | Stlth+}
352857 | Zig:26   | Identified the +1 long sword of Gisegomp {antimagic,
                  | Fragile rElec Str+4 SInv}
352864 | Zig:26   | Identified the +1 robe "Naemam" {rF+ rC+ Str+2}
352877 | Zig:26   | Identified the staff of a treasure trove {rC+ Int+3 Dex-4
                  | Earth}
352883 | Zig:26   | Identified the +0 glaive "Riumuper" {distort, rElec rC-
                  | Will+++ Dex-3}
352896 | Zig:26   | Identified the +5 trident "Eckosm" {freeze, rPois MP+9
                  | Str+3 Int-3}
352899 | Zig:26   | Identified the +3 shortbow of Gaelok {heavy, rN+ rCorr}
352911 | Zig:26   | Identified the +1 long sword "Vewn" {flame, Will++}
352929 | Zig:26   | Identified the ring of the Ancients {rC+ Int+6 Dex+3
                  | Stlth-}
352936 | Zig:26   | Identified the +5 scale mail of Sailausi {Harm Stlth+}
352961 | Zig:26   | Acquired 488 gold pieces
352991 | Zig:27   | Entered Level 27 of a ziggurat
352991 | Zig:27   | Noticed a dread lich
352991 | Zig:27   | Noticed an ancient lich
352991 | Zig:27   | Noticed a dread lich
352991 | Zig:27   | Noticed a dread lich
352991 | Zig:27   | Noticed a dread lich
352991 | Zig:27   | Noticed an ancient lich
352991 | Zig:27   | Noticed an ancient lich
352991 | Zig:27   | Noticed a dread lich
352991 | Zig:27   | Noticed a dread lich
352991 | Zig:27   | Noticed a dread lich
352991 | Zig:27   | Noticed an ancient lich
352991 | Zig:27   | Noticed an ancient lich
352991 | Zig:27   | Noticed an ancient lich
352991 | Zig:27   | Noticed a dread lich
352991 | Zig:27   | Noticed an ancient lich
352991 | Zig:27   | Noticed a dread lich
352991 | Zig:27   | Noticed an ancient lich
352991 | Zig:27   | Noticed an ancient lich
352991 | Zig:27   | Noticed a dread lich
352991 | Zig:27   | Noticed an ancient lich
352991 | Zig:27   | Noticed a dread lich
352991 | Zig:27   | Noticed an ancient lich
352994 | Zig:27   | Killed a dread lich
352994 | Zig:27   | Killed an ancient lich
352994 | Zig:27   | Killed a dread lich
352994 | Zig:27   | Killed an ancient lich
352994 | Zig:27   | Killed an ancient lich
352994 | Zig:27   | Killed a dread lich
352994 | Zig:27   | Killed a dread lich
352994 | Zig:27   | Killed an ancient lich
352994 | Zig:27   | Killed a dread lich
352994 | Zig:27   | Killed a dread lich
352994 | Zig:27   | Killed a dread lich
352994 | Zig:27   | Killed a dread lich
352994 | Zig:27   | Killed an ancient lich
352994 | Zig:27   | Killed a dread lich
352994 | Zig:27   | Killed an ancient lich
352994 | Zig:27   | Killed an ancient lich
352994 | Zig:27   | Killed an ancient lich
352994 | Zig:27   | Killed a dread lich
352994 | Zig:27   | Killed an ancient lich
352994 | Zig:27   | Killed an ancient lich
352994 | Zig:27   | Killed an ancient lich
352994 | Zig:27   | Killed a dread lich
352994 | Zig:27   | Killed a dread lich
352994 | Zig:27   | Killed by an exploding titan (68 damage)
                  | ... ignited by their inner flame
352996 | Zig:27   | Noticed a dread lich
352997 | Zig:27   | Noticed an ancient lich
352997 | Zig:27   | Noticed an ancient lich
352997 | Zig:27   | Noticed a dread lich
352998 | Zig:27   | Noticed an ancient lich
352998 | Zig:27   | Noticed a dread lich
352998 | Zig:27   | Noticed an ancient lich
352999 | Zig:27   | Noticed an ancient lich
352999 | Zig:27   | Noticed an ancient lich
352999 | Zig:27   | Noticed a dread lich
352999 | Zig:27   | Noticed an ancient lich
352999 | Zig:27   | Noticed an ancient lich
352999 | Zig:27   | Noticed an ancient lich
352999 | Zig:27   | Noticed a dread lich
353001 | Zig:27   | Noticed an ancient lich
353001 | Zig:27   | Noticed an ancient lich
353001 | Zig:27   | Noticed a dread lich
353001 | Zig:27   | Noticed an ancient lich
353002 | Zig:27   | Noticed a dread lich
353002 | Zig:27   | Noticed an ancient lich
353002 | Zig:27   | Noticed an ancient lich
353002 | Zig:27   | Noticed an ancient lich
353002 | Zig:27   | Noticed an ancient lich
353002 | Zig:27   | Killed a dread lich
353002 | Zig:27   | Noticed a dread lich
353002 | Zig:27   | Noticed an ancient lich
353003 | Zig:27   | Noticed an ancient lich
353003 | Zig:27   | Noticed an ancient lich
353003 | Zig:27   | Noticed an ancient lich
353003 | Zig:27   | Noticed an ancient lich
353003 | Zig:27   | Noticed a dread lich
353003 | Zig:27   | Noticed a dread lich
353003 | Zig:27   | Noticed an ancient lich
353008 | Zig:27   | Noticed a dread lich
353008 | Zig:27   | Noticed a dread lich
353009 | Zig:27   | Killed an ancient lich
353010 | Zig:27   | Killed an ancient lich
353011 | Zig:27   | Killed a dread lich
353011 | Zig:27   | Noticed a dread lich
353011 | Zig:27   | Noticed a dread lich
353013 | Zig:27   | Killed an ancient lich
353013 | Zig:27   | Killed a dread lich
353013 | Zig:27   | Killed from afar by an ancient lich (48 damage)
                  | ... with a crystal spear
353014 | Zig:27   | Noticed a dread lich
353014 | Zig:27   | Noticed an ancient lich
353015 | Zig:27   | Noticed a dread lich
353015 | Zig:27   | Noticed an ancient lich
353016 | Zig:27   | Killed an ancient lich
353016 | Zig:27   | Noticed a dread lich
353016 | Zig:27   | Noticed a dread lich
353017 | Zig:27   | Killed a dread lich
353018 | Zig:27   | Killed an ancient lich
353018 | Zig:27   | Killed an ancient lich
353019 | Zig:27   | Killed an ancient lich
353019 | Zig:27   | Killed an ancient lich
353019 | Zig:27   | Killed an ancient lich
353020 | Zig:27   | Noticed an ancient lich
353020 | Zig:27   | Noticed an ancient lich
353020 | Zig:27   | Killed an ancient lich
353020 | Zig:27   | Killed a dread lich
353020 | Zig:27   | Killed an ancient lich
353020 | Zig:27   | Killed a dread lich
353020 | Zig:27   | Killed an ancient lich
353021 | Zig:27   | Killed an ancient lich
353021 | Zig:27   | Killed from afar by a hellion (30 damage)
                  | ... with damnation
                  | ... summoned by a dread lich
353021 | Zig:27   | Killed an ancient lich
353021 | Zig:27   | Killed an ancient lich
353025 | Zig:27   | Killed a dread lich
353025 | Zig:27   | Killed an ancient lich
353026 | Zig:27   | Killed an ancient lich
353027 | Zig:27   | Killed a dread lich
353029 | Zig:27   | Killed an ancient lich
353029 | Zig:27   | Killed a dread lich
353030 | Zig:27   | Killed an ancient lich
353030 | Zig:27   | Killed an ancient lich
353031 | Zig:27   | Noticed a dread lich
353031 | Zig:27   | Noticed a dread lich
353032 | Zig:27   | Killed by an exploding golden dragon (20 damage)
                  | ... ignited by their inner flame
353032 | Zig:27   | Killed an ancient lich
353032 | Zig:27   | Killed an ancient lich
353032 | Zig:27   | Killed a dread lich
353032 | Zig:27   | Killed a dread lich
353032 | Zig:27   | Killed a dread lich
353032 | Zig:27   | Killed an ancient lich
353032 | Zig:27   | Killed a dread lich
353032 | Zig:27   | Killed an ancient lich
353032 | Zig:27   | Killed a dread lich
353032 | Zig:27   | Killed a dread lich
353032 | Zig:27   | Killed a dread lich
353032 | Zig:27   | Killed an ancient lich
353032 | Zig:27   | Killed a dread lich
353032 | Zig:27   | Killed a dread lich
353032 | Zig:27   | Killed an ancient lich
353032 | Zig:27   | Killed a dread lich
353042 | Zig:27   | Noticed a dread lich
353042 | Zig:27   | Noticed a dread lich
353042 | Zig:27   | Noticed a dread lich
353042 | Zig:27   | HP: 7/218 [stone giant/large rock (15)]
353043 | Zig:27   | Engulfed by a cloud of flame (13 damage)
353043 | Zig:27   | Paralysed by a floating eye for 4 turns
353044 | Zig:27   | Noticed an ancient lich
353045 | Zig:27   | Noticed an ancient lich
353047 | Zig:27   | Killed a dread lich
353049 | Zig:27   | Noticed an ancient lich
353050 | Zig:27   | Killed a dread lich
353050 | Zig:27   | Killed a dread lich
353050 | Zig:27   | Noticed a dread lich
353051 | Zig:27   | Noticed an ancient lich
353051 | Zig:27   | Killed a dread lich
353052 | Zig:27   | Noticed a dread lich
353052 | Zig:27   | Noticed a dread lich
353052 | Zig:27   | Noticed an ancient lich
353052 | Zig:27   | Killed an ancient lich
353052 | Zig:27   | Killed an ancient lich
353052 | Zig:27   | Noticed a dread lich
353052 | Zig:27   | Killed an ancient lich
353052 | Zig:27   | Noticed a dread lich
353053 | Zig:27   | Noticed an ancient lich
353055 | Zig:27   | Killed a dread lich
353055 | Zig:27   | Noticed a dread lich
353056 | Zig:27   | Killed by an exploding ballistomycete spore (47 damage)
                  | ... set off by their pet
353056 | Zig:27   | Noticed an ancient lich
353056 | Zig:27   | Noticed an ancient lich
353057 | Zig:27   | Killed an ancient lich
353057 | Zig:27   | Killed an ancient lich
353058 | Zig:27   | Killed a dread lich
353058 | Zig:27   | Killed a dread lich
353058 | Zig:27   | Killed an ancient lich
353059 | Zig:27   | Killed a dread lich
353059 | Zig:27   | Killed a dread lich
353061 | Zig:27   | Noticed a dread lich
353061 | Zig:27   | Noticed an ancient lich
353061 | Zig:27   | Noticed an ancient lich
353061 | Zig:27   | Noticed an ancient lich
353061 | Zig:27   | Noticed an ancient lich
353061 | Zig:27   | Noticed an ancient lich
353061 | Zig:27   | Noticed an ancient lich
353061 | Zig:27   | Noticed an ancient lich
353061 | Zig:27   | Noticed an ancient lich
353061 | Zig:27   | Noticed a dread lich
353061 | Zig:27   | Noticed an ancient lich
353062 | Zig:27   | Noticed a dread lich
353063 | Zig:27   | Noticed an ancient lich
353063 | Zig:27   | Killed an ancient lich
353063 | Zig:27   | Killed an ancient lich
353063 | Zig:27   | HP: 2/218 [spore (51)]
353063 | Zig:27   | Killed by an exploding golden dragon (42 damage)
                  | ... ignited by their inner flame
353063 | Zig:27   | Killed an ancient lich
353063 | Zig:27   | Killed a dread lich
353063 | Zig:27   | Killed an ancient lich
353063 | Zig:27   | Killed an ancient lich
353063 | Zig:27   | Killed an ancient lich
353063 | Zig:27   | Noticed an ancient lich
353064 | Zig:27   | Killed an ancient lich
353066 | Zig:27   | Noticed a dread lich
353069 | Zig:27   | Killed an ancient lich
353069 | Zig:27   | Killed an ancient lich
353069 | Zig:27   | Killed a dread lich
353069 | Zig:27   | Killed a dread lich
353069 | Zig:27   | Killed an ancient lich
353069 | Zig:27   | Killed a dread lich
353069 | Zig:27   | Killed an ancient lich
353069 | Zig:27   | Killed an ancient lich
353069 | Zig:27   | Killed a dread lich
353069 | Zig:27   | Killed an ancient lich
353069 | Zig:27   | Noticed an ancient lich
353076 | Zig:27   | Noticed an ancient lich
353078 | Zig:27   | Killed an ancient lich
353085 | Zig:27   | HP: 8/218 [golden dragon (17)]
353089 | Zig:27   | Killed an ancient lich
353094 | Zig:27   | Mangled by a titan (16 damage)
353443 | Zig:27   | Identified the amulet of Toorub {Acrobat rN+ Int+4 Stlth+}
353460 | Zig:27   | Identified the +5 scale mail "Necakam" {rN+ Int+2 Dex-3}
353462 | Zig:27   | Identified the +1 robe "Nosoucsi" {rC- Int+3 Dex+7
                  | Archmagi}
353463 | Zig:27   | Identified the +0 chain mail of the Other Side {Regen+}
353465 | Zig:27   | Identified the +7 orcbow of the Evil Eye {freeze, rPois
                  | Str+5}
353476 | Zig:27   | Identified the +4 demon whip "Woickis" {venom, rF- rN+
                  | rCorr Int+5}
353477 | Zig:27   | Identified the +6 plate armour of Puuw Hesa {rElec}
353491 | Zig:27   | Identified the +2 trident "Kekouf" {protect, Will+ Int+3
                  | Dex+3}
353494 | Zig:27   | Identified the +1 scale mail of Doomed Liberty {rElec rPois
                  | Dex-2 Stlth+}
353496 | Zig:27   | Identified the ring "Erim" {AC+4 Int+3}
353501 | Zig:27   | Identified the staff of Purpose {Contam Dex+5 Earth}
353505 | Zig:27   | Identified the ring "Irhikh" {rPois Int+6 Dex+3 Slay+3
                  | SInv}
353517 | Zig:27   | Identified the ring of Ethics {Ice Int+2}
353522 | Zig:27   | Identified the +1 lajatang of Estrymudd {flame, rC+ Int+5}
353524 | Zig:27   | Identified the +2 demon blade of the Sugar Beet {vamp,
                  | rPois Str-3 Dex+2}
353537 | Zig:27   | Identified the +7 trident "Ytzamp" {pain, rC+ Dex+4}
353538 | Zig:27   | Identified the ring of Accord {rF+++ rC+ Int+6 Dex-3
                  | Stlth+}
353580 | Zig:27   | Identified the +1 helmet of Happiness {SInv}
353599 | Zig:27   | Identified the +5 long sword of Fuamiamemp {spect, rC+
                  | Will+}
353956 | Pan      | Entered Pandemonium
353957 | Pan      | Found a transporter.
353968 | Pan      | Found an exit through the horrors of the Abyss.
354525 | Pan      | Found a transporter.
354756 | Pan      | Slain by a demonspawn blood saint
                  | ... wielding a +2 dagger of draining
                  | (21 damage)
354767 | Pan      | HP: 2/192 [lorocyproca (46)]
354769 | Pan      | Slain by a cacodemon (7 damage)
354775 | Pan      | HP: 6/148 [reaper/+1 scythe of protection (20)]
354775 | Pan      | Killed by divine providence
                  | ... invoked by a smoke demon
                  | (10 damage)
355425 | Pan      | Identified the +3 war axe of Distant Shores {pain, rC+
                  | Will+ SInv}
355619 | Pan      | Identified the ring of Cuwe Vou {rElec rPois rCorr}
355664 | Pan      | Identified the amulet "Ycocwyr" {Harm +Blink rElec Will-
                  | Regen+}
355860 | Pan      | Noticed Fiblimew the pandemonium lord
355866 | Pan      | HP: 4/215 [smoke demon/divine providence (8)]
355871 | Pan      | Slain by Fiblimew the pandemonium lord (5 damage)
355875 | Pan      | Killed Fiblimew the pandemonium lord
356362 | Depths:2 | Escaped Pandemonium
356617 | Pan      | Entered Pandemonium
356770 | Pan      | Noticed Memal the pandemonium lord
356773 | Pan      | Killed Memal the pandemonium lord
357342 | Pan      | Found an exit through the horrors of the Abyss.
357811 | Pan      | Noticed Plog the pandemonium lord
357822 | Pan      | Killed Plog the pandemonium lord
357901 | Pan      | Found an exit through the horrors of the Abyss.
359153 | Pan      | Noticed Kuaduib the pandemonium lord
359163 | Pan      | HP: 8/218 [Kuaduib the pandemonium lord/crystal spear (63)]
359163 | Pan      | Killed by divine providence
                  | ... invoked by a balrug
                  | (12 damage)
359165 | Pan      | Killed Kuaduib the pandemonium lord
359170 | Pan      | HP: 3/218 [balrug/divine providence (14)]
359170 | Pan      | HP: 1/218 [smoke demon (2)]
359171 | Pan      | Killed by divine providence
                  | ... invoked by a balrug
                  | (12 damage)
359182 | Pan      | HP: 8/218 [ynoxinul (3)]
359183 | Pan      | HP: 1/218 [orange demon[a shadow demon] (7)]
359183 | Pan      | Killed by divine providence
                  | ... invoked by a balrug
                  | (13 damage)
359193 | Pan      | Slain by a sun demon (19 damage)
                  | ... led by a balrug
359200 | Pan      | HP: 5/218 [demonspawn warmonger/+5 battleaxe of pain[a
                  | shadow demon] (31)]
359202 | Pan      | Mangled by a demonspawn warmonger
                  | ... wielding a +5 battleaxe of pain
                  | ... summoned by a shadow demon
                  | (15 damage)
359584 | Pan      | Found an exit through the horrors of the Abyss.
359993 | Pan      | Identified the +1 robe of Plasticity {Int+7 Dex-5 Slay+3
                  | Stlth+}
360073 | Pan      | Noticed Gidaypti the pandemonium lord
360087 | Pan      | Killed Gidaypti the pandemonium lord
360746 | Pan      | Noticed Miatoc the pandemonium lord
360753 | Pan      | Killed Miatoc the pandemonium lord
360784 | Pan      | HP: 10/218 [demonspawn warmonger/+4 demon blade of
                  | electrocution (8)]
360975 | Pan      | Found an exit through the horrors of the Abyss.
360989 | Depths:2 | Escaped Pandemonium
361361 | Depths:4 | Learned a level 4 spell: Manifold Assault
361495 | Depths:4 | Lost mutation: You are occasionally teleported next to
                  | monsters. [potion of mutation]
361495 | Depths:4 | Lost mutation: You passively map a small area around you.
                  | [potion of mutation]
361495 | Depths:4 | Lost mutation: You expend magic power (3 MP) to strengthen
                  | your wands. [potion of mutation]
361495 | Depths:4 | Gained mutation: You expend magic power (3 MP) to
                  | strengthen your wands. [potion of mutation]
361495 | Depths:4 | Gained mutation: You have a beak for a mouth. [potion of
                  | mutation]
361496 | Depths:4 | Lost mutation: Your spells are a little harder to cast, but
                  | a little more powerful. [potion of mutation]
361496 | Depths:4 | Lost mutation: You expend magic power (3 MP) to strengthen
                  | your wands. [potion of mutation]
361496 | Depths:4 | Lost mutation: You have a beak for a mouth. [potion of
                  | mutation]
361496 | Depths:4 | Gained mutation: You are clumsy. (Dex -2) [potion of
                  | mutation]
361496 | Depths:4 | Lost mutation: You are robust. (+10% HP) [potion of
                  | mutation]
361496 | Depths:4 | Gained mutation: You are weak. (Str -2) [potion of
                  | mutation]
361497 | Depths:4 | Lost mutation: You have sharp toenails. [potion of
                  | mutation]
361497 | Depths:4 | Lost mutation: You are clumsy. (Dex -2) [potion of
                  | mutation]
361497 | Depths:4 | Lost mutation: You are weak. (Str -2) [potion of mutation]
361497 | Depths:4 | Gained mutation: You are vulnerable to heat. (rF-) [potion
                  | of mutation]
361497 | Depths:4 | Gained mutation: You are partially covered in large bone
                  | plates. (SH +4) [potion of mutation]
361498 | Depths:4 | Lost mutation: You are partially covered in large bone
                  | plates. (SH +4) [potion of mutation]
361498 | Depths:4 | Lost mutation: You are vulnerable to heat. (rF-) [potion of
                  | mutation]
361498 | Depths:4 | Gained mutation: You are strong-willed. (Will+) [potion of
                  | mutation]
361498 | Depths:4 | Gained mutation: You are partially covered in large bone
                  | plates. (SH +4) [potion of mutation]
361499 | Depths:4 | Lost mutation: You are partially covered in large bone
                  | plates. (SH +4) [potion of mutation]
361499 | Depths:4 | Lost mutation: You are strong-willed. (Will+) [potion of
                  | mutation]
361499 | Depths:4 | Gained mutation: You are somewhat resistant to further
                  | mutation. [potion of mutation]
361500 | Depths:4 | Lost mutation: You are somewhat resistant to further
                  | mutation. [potion of mutation]
361500 | Depths:4 | Gained mutation: You are dopey. (Int -2) [potion of
                  | mutation]
361500 | Depths:4 | Gained mutation: You have a pair of small horns on your
                  | head. [potion of mutation]
361500 | Depths:4 | Gained mutation: You occasionally shout uncontrollably at
                  | your foes. [potion of mutation]
361500 | Depths:4 | Gained mutation: You are strong-willed. (Will+) [potion of
                  | mutation]
361501 | Depths:4 | Lost mutation: You have a pair of small horns on your head.
                  | [potion of mutation]
361501 | Depths:4 | Lost mutation: You are dopey. (Int -2) [potion of mutation]
361501 | Depths:4 | Gained mutation: Your spells are a little easier to cast,
                  | but a little less powerful. [potion of mutation]
361502 | Depths:4 | Lost mutation: You are strong-willed. (Will+) [potion of
                  | mutation]
361502 | Depths:4 | Lost mutation: You occasionally shout uncontrollably at
                  | your foes. [potion of mutation]
361502 | Depths:4 | Lost mutation: Your spells are a little easier to cast, but
                  | a little less powerful. [potion of mutation]
361502 | Depths:4 | Gained mutation: You are strong-willed. (Will+) [potion of
                  | mutation]
361502 | Depths:4 | Gained mutation: Your mind is acute. (Int +4, Str/Dex -1)
                  | [potion of mutation]
361503 | Depths:4 | Lost mutation: You are strong-willed. (Will+) [potion of
                  | mutation]
361503 | Depths:4 | Lost mutation: Your mind is acute. (Int +4, Str/Dex -1)
                  | [potion of mutation]
361503 | Depths:4 | Gained mutation: Your mind is acute. (Int +4, Str/Dex -1)
                  | [potion of mutation]
361506 | Depths:4 | Lost mutation: Your mind is acute. (Int +4, Str/Dex -1)
                  | [potion of mutation]
361506 | Depths:4 | Gained mutation: You are agile. (Dex +4, Str/Int -1)
                  | [potion of mutation]
361506 | Depths:4 | Gained mutation: You have a pair of small horns on your
                  | head. [potion of mutation]
361506 | Depths:4 | Gained mutation: You occasionally shout uncontrollably at
                  | your foes. [potion of mutation]
361506 | Depths:4 | Gained mutation: You expend magic power (3 MP) to
                  | strengthen your wands. [potion of mutation]
361507 | Depths:4 | Lost mutation: You occasionally shout uncontrollably at
                  | your foes. [potion of mutation]
361507 | Depths:4 | Lost mutation: You are agile. (Dex +4, Str/Int -1) [potion
                  | of mutation]
361507 | Depths:4 | Lost mutation: You have a pair of small horns on your head.
                  | [potion of mutation]
361507 | Depths:4 | Gained mutation: You are weak. (Str -2) [potion of
                  | mutation]
361507 | Depths:4 | Gained mutation: You are dopey. (Int -2) [potion of
                  | mutation]
361507 | Depths:4 | Gained mutation: Your body sometimes deteriorates upon
                  | taking damage. [potion of mutation]
361508 | Depths:4 | Lost mutation: You expend magic power (3 MP) to strengthen
                  | your wands. [potion of mutation]
361508 | Depths:4 | Lost mutation: You are weak. (Str -2) [potion of mutation]
361508 | Depths:4 | Lost mutation: Your body sometimes deteriorates upon taking
                  | damage. [potion of mutation]
361508 | Depths:4 | Gained mutation: Your body sometimes deteriorates upon
                  | taking damage. [potion of mutation]
361508 | Depths:4 | Gained mutation: Your muscles are strong. (Str +4, Int/Dex
                  | -1) [potion of mutation]
361509 | Depths:4 | Lost mutation: You are dopey. (Int -2) [potion of mutation]
361509 | Depths:4 | Lost mutation: Your body sometimes deteriorates upon taking
                  | damage. [potion of mutation]
361509 | Depths:4 | Lost mutation: Your muscles are strong. (Str +4, Int/Dex
                  | -1) [potion of mutation]
361509 | Depths:4 | Gained mutation: You do not regenerate when monsters are
                  | visible. [potion of mutation]
361509 | Depths:4 | Gained mutation: Your magical capacity is low. (-10% MP)
                  | [potion of mutation]
361509 | Depths:4 | Gained mutation: You are partially covered in iridescent
                  | scales. (AC +2) [potion of mutation]
361510 | Depths:4 | Lost mutation: You do not regenerate when monsters are
                  | visible. [potion of mutation]
361510 | Depths:4 | Lost mutation: You are partially covered in iridescent
                  | scales. (AC +2) [potion of mutation]
361510 | Depths:4 | Lost mutation: Your magical capacity is low. (-10% MP)
                  | [potion of mutation]
361510 | Depths:4 | Gained mutation: You are partially covered in iridescent
                  | scales. (AC +2) [potion of mutation]
361510 | Depths:4 | Gained mutation: You are vulnerable to cold. (rC-) [potion
                  | of mutation]
361510 | Depths:4 | Gained mutation: You have sharp toenails. [potion of
                  | mutation]
361511 | Depths:4 | Lost mutation: You are partially covered in iridescent
                  | scales. (AC +2) [potion of mutation]
361511 | Depths:4 | Lost mutation: You have sharp toenails. [potion of
                  | mutation]
361511 | Depths:4 | Lost mutation: You are vulnerable to cold. (rC-) [potion of
                  | mutation]
361511 | Depths:4 | Gained mutation: Your spells are a little harder to cast,
                  | but a little more powerful. [potion of mutation]
361511 | Depths:4 | Gained mutation: Your flesh is cold resistant. (rC+)
                  | [potion of mutation]
361511 | Depths:4 | Lost mutation: Your spells are a little harder to cast, but
                  | a little more powerful. [potion of mutation]
361511 | Depths:4 | Gained mutation: Your spells are a little harder to cast,
                  | but a little more powerful. [potion of mutation]
361512 | Depths:4 | Lost mutation: Your spells are a little harder to cast, but
                  | a little more powerful. [potion of mutation]
361512 | Depths:4 | Lost mutation: Your flesh is cold resistant. (rC+) [potion
                  | of mutation]
361512 | Depths:4 | Gained mutation: Armour fits poorly on your strangely
                  | shaped body. [potion of mutation]
361513 | Depths:4 | Lost mutation: Armour fits poorly on your strangely shaped
                  | body. [potion of mutation]
361513 | Depths:4 | Gained mutation: You have very sharp teeth. [potion of
                  | mutation]
361513 | Depths:4 | Gained mutation: You have sharp toenails. [potion of
                  | mutation]
361514 | Depths:4 | Lost mutation: You have very sharp teeth. [potion of
                  | mutation]
361514 | Depths:4 | Lost mutation: You have sharp toenails. [potion of
                  | mutation]
361514 | Depths:4 | Gained mutation: You are partially covered in large bone
                  | plates. (SH +4) [potion of mutation]
361514 | Depths:4 | Gained mutation: You are partially covered in iridescent
                  | scales. (AC +2) [potion of mutation]
361515 | Depths:4 | Lost mutation: You are partially covered in iridescent
                  | scales. (AC +2) [potion of mutation]
361515 | Depths:4 | Lost mutation: You are partially covered in large bone
                  | plates. (SH +4) [potion of mutation]
361515 | Depths:4 | Gained mutation: You are dopey. (Int -2) [potion of
                  | mutation]
361515 | Depths:4 | Gained mutation: Your body sometimes deteriorates upon
                  | taking damage. [potion of mutation]
361515 | Depths:4 | Gained mutation: Your spells are a little harder to cast,
                  | but a little more powerful. [potion of mutation]
361516 | Depths:4 | Lost mutation: Your body sometimes deteriorates upon taking
                  | damage. [potion of mutation]
361516 | Depths:4 | Lost mutation: You are dopey. (Int -2) [potion of mutation]
361516 | Depths:4 | Lost mutation: Your spells are a little harder to cast, but
                  | a little more powerful. [potion of mutation]
361516 | Depths:4 | Gained mutation: You are frail. (-10% HP) [potion of
                  | mutation]
361516 | Depths:4 | Gained mutation: You are strong-willed. (Will+) [potion of
                  | mutation]
361517 | Depths:4 | Lost mutation: You are strong-willed. (Will+) [potion of
                  | mutation]
361517 | Depths:4 | Lost mutation: You are frail. (-10% HP) [potion of
                  | mutation]
361517 | Depths:4 | Gained mutation: You passively map a small area around you.
                  | [potion of mutation]
361518 | Depths:4 | Lost mutation: You passively map a small area around you.
                  | [potion of mutation]
361518 | Depths:4 | Gained mutation: You are covered in fur. (AC +1) [potion of
                  | mutation]
361518 | Depths:4 | Gained mutation: Your mind is acute. (Int +4, Str/Dex -1)
                  | [potion of mutation]
361518 | Depths:4 | Gained mutation: You possess an exceptional clarity of
                  | mind. [potion of mutation]
361519 | Depths:4 | Lost mutation: You possess an exceptional clarity of mind.
                  | [potion of mutation]
361519 | Depths:4 | Lost mutation: Your mind is acute. (Int +4, Str/Dex -1)
                  | [potion of mutation]
361519 | Depths:4 | Lost mutation: You are covered in fur. (AC +1) [potion of
                  | mutation]
361519 | Depths:4 | Gained mutation: You have a pair of small antennae on your
                  | head. [potion of mutation]
361519 | Depths:4 | Gained mutation: Your body sometimes deteriorates upon
                  | taking damage. [potion of mutation]
361519 | Depths:4 | Gained mutation: You possess an exceptional clarity of
                  | mind. [potion of mutation]
361519 | Depths:4 | Gained mutation: You have hidden genetic potential. [potion
                  | of mutation]
361520 | Depths:4 | Lost mutation: You have hidden genetic potential. [potion
                  | of mutation]
361520 | Depths:4 | Lost mutation: You have a pair of small antennae on your
                  | head. [potion of mutation]
361520 | Depths:4 | Lost mutation: Your body sometimes deteriorates upon taking
                  | damage. [potion of mutation]
361520 | Depths:4 | Gained mutation: You occasionally shout uncontrollably at
                  | your foes. [potion of mutation]
361520 | Depths:4 | Gained mutation: You are robust. (+10% HP) [potion of
                  | mutation]
361619 | Pan      | Entered Pandemonium
361674 | Pan      | HP: 10/218 [spore (36)]
361676 | Pan      | Noticed Oblecine the pandemonium lord
361676 | Pan      | Killed by an exploding ballistomycete spore (28 damage)
                  | ... set off by their pet
361682 | Pan      | Killed Oblecine the pandemonium lord
361696 | Pan      | Killed from afar by a balrug (55 damage)
                  | ... with a bolt of fire
361965 | Pan      | Gained mutation: Your muscles are strong. (Str +4, Int/Dex
                  | -1) [a neqoxec]
361966 | Pan      | Gained mutation: You are vulnerable to cold. (rC-) [a
                  | neqoxec]
362177 | Pan      | Noticed Dopridgh the pandemonium lord
362184 | Pan      | Killed Dopridgh the pandemonium lord
362191 | Pan      | HP: 8/218 [spore (15)]
362212 | Pan      | Killed by an exploding ballistomycete spore (26 damage)
363482 | Pan      | Found a huge runed translucent gate.
363483 | Pan      | Found a huge runed translucent gate.
363490 | Pan      | Found a huge runed translucent gate.
363490 | Pan      | Found a huge runed translucent gate.
363490 | Pan      | Found a huge runed translucent gate.
363490 | Pan      | Found a huge runed translucent gate.
363490 | Pan      | Found a huge runed translucent gate.
363552 | Pan      | Noticed Vachy the pandemonium lord
363559 | Pan      | Killed Vachy the pandemonium lord
364017 | Pan      | Found an exit through the horrors of the Abyss.
364026 | Pan      | Took an exit into the Abyss.
364026 | Abyss:6  | Escaped into the Abyss
364071 | Abyss:6  | Gained mutation: Armour fits poorly on your strangely
                  | shaped body. [a neqoxec]
364094 | Abyss:6  | Paralysed by accursed screaming for 2 turns
364110 | Abyss:6  | Paralysed by accursed screaming for 1 turns
364117 | Depths:2 | Escaped the Abyss
364742 | Pan      | Entered Pandemonium
364744 | Pan      | Found an exit through the horrors of the Abyss.
364753 | Pan      | Gained mutation: You are clumsy. (Dex -2) [a cacodemon]
364768 | Pan      | Lost mutation: You possess an exceptional clarity of mind.
                  | [a cacodemon]
364797 | Pan      | Gained mutation: You are partially covered in iridescent
                  | scales. (AC +2) [a cacodemon]
364809 | Pan      | HP: 8/218 [something (13)]
364810 | Pan      | Engulfed by a cloud of flame (9 damage)
364824 | Pan      | HP: 9/218 [acid blob/splash of acid[a demonspawn corrupter]
                  | (6)]
364828 | Pan      | Killed from afar by a demonspawn blood saint (25 damage)
                  | ... with a fireball
364880 | Pan      | Noticed Soukh the pandemonium lord
364880 | Pan      | Took an exit into the Abyss.
364880 | Abyss:6  | Escaped into the Abyss
365041 | Depths:2 | Escaped the Abyss
365266 | Depths:4 | Gained mutation: Your spells are a little easier to cast,
                  | but a little less powerful. [mutagenic glow]
365356 | Pan      | Entered Pandemonium
365884 | Pan      | Noticed Mononah the pandemonium lord
365902 | Pan      | Killed Mononah the pandemonium lord
366067 | Pan      | Lost mutation: Your muscles are strong. (Str +4, Int/Dex
                  | -1) [a cacodemon]
366068 | Pan      | Lost mutation: Your spells are a little easier to cast, but
                  | a little less powerful. [a cacodemon]
366903 | Pan      | Gained mutation: You are very clumsy. (Dex -4) [a neqoxec]
367055 | Pan      | Found an exit through the horrors of the Abyss.
367070 | Pan      | Took an exit into the Abyss.
367070 | Abyss:6  | Escaped into the Abyss
367079 | Depths:2 | Escaped the Abyss
367104 | Depths:2 | Lost mutation: You are robust. (+10% HP) [potion of
                  | mutation]
367104 | Depths:2 | Lost mutation: Armour fits poorly on your strangely shaped
                  | body. [potion of mutation]
367104 | Depths:2 | Lost mutation: You are vulnerable to cold. (rC-) [potion of
                  | mutation]
367104 | Depths:2 | Gained mutation: You have an increased reservoir of magic.
                  | (+10% MP) [potion of mutation]
367104 | Depths:2 | Gained mutation: You have supernaturally acute eyesight.
                  | (SInv) [potion of mutation]
367105 | Depths:2 | Lost mutation: You occasionally shout uncontrollably at
                  | your foes. [potion of mutation]
367105 | Depths:2 | Lost mutation: You have supernaturally acute eyesight.
                  | (SInv) [potion of mutation]
367106 | Depths:2 | Lost mutation: You are partially covered in iridescent
                  | scales. (AC +2) [potion of mutation]
367106 | Depths:2 | Lost mutation: You are very clumsy. (Dex -4) [potion of
                  | mutation]
367106 | Depths:2 | Lost mutation: You have an increased reservoir of magic.
                  | (+10% MP) [potion of mutation]
367106 | Depths:2 | Gained mutation: Your spells are a little easier to cast,
                  | but a little less powerful. [potion of mutation]
367106 | Depths:2 | Gained mutation: You possess an exceptional clarity of
                  | mind. [potion of mutation]
367107 | Depths:2 | Lost mutation: Your spells are a little easier to cast, but
                  | a little less powerful. [potion of mutation]
367107 | Depths:2 | Lost mutation: You are clumsy. (Dex -2) [potion of
                  | mutation]
367107 | Depths:2 | Gained mutation: You are robust. (+10% HP) [potion of
                  | mutation]
367107 | Depths:2 | Gained mutation: You are very robust. (+20% HP) [potion of
                  | mutation]
367107 | Depths:2 | Gained mutation: You are partially covered in iridescent
                  | scales. (AC +2) [potion of mutation]
367107 | Depths:2 | Gained mutation: Your muscles are strong. (Str +4, Int/Dex
                  | -1) [potion of mutation]
367179 | Depths:2 | Learned a level 4 spell: Passage of Golubria
367388 | Depths:4 | Upgraded the game from 0.31-a0-728-g01b46875f1 to
                  | 0.31-a0-740-g87205ac768
367571 | Zig:1    | Entered Level 1 of a ziggurat
367815 | Zig:2    | Entered Level 2 of a ziggurat
367869 | Zig:2    | Identified the +1 helmet of Xamn {rN+ Int+3}
367882 | Zig:3    | Entered Level 3 of a ziggurat
367882 | Zig:3    | Noticed an orb of fire
367882 | Zig:3    | Noticed an orb of fire
367882 | Zig:3    | Noticed an orb of fire
367882 | Zig:3    | Noticed an orb of fire
367882 | Zig:3    | Noticed an orb of fire
367882 | Zig:3    | Noticed an orb of fire
367882 | Zig:3    | Noticed an orb of fire
367882 | Zig:3    | Noticed an orb of fire
367882 | Zig:3    | Noticed an orb of fire
367882 | Zig:3    | Noticed an orb of fire
367882 | Zig:3    | Noticed an orb of fire
367882 | Zig:3    | Noticed an orb of fire
367882 | Zig:3    | Noticed an orb of fire
367882 | Zig:3    | Noticed an orb of fire
367882 | Zig:3    | Noticed an orb of fire
367882 | Zig:3    | Noticed an orb of fire
367882 | Zig:3    | Noticed an orb of fire
367882 | Zig:3    | Noticed an orb of fire
367882 | Zig:3    | Noticed an orb of fire
367882 | Zig:3    | Noticed an orb of fire
367882 | Zig:3    | Noticed an orb of fire
367882 | Zig:3    | Noticed an orb of fire
367882 | Zig:3    | Noticed an orb of fire
367882 | Zig:3    | Noticed an orb of fire
367882 | Zig:3    | Noticed an orb of fire
367882 | Zig:3    | Noticed an orb of fire
367882 | Zig:3    | Noticed an orb of fire
367884 | Zig:3    | Noticed an orb of fire
367884 | Zig:3    | Noticed an orb of fire
367884 | Zig:3    | Noticed an orb of fire
367884 | Zig:3    | Killed from afar by an orb of fire (50 damage)
                  | ... with a bolt of fire
367886 | Zig:3    | Killed from afar by a fire dragon (40 damage)
                  | ... with a blast of flame
367887 | Zig:3    | Killed an orb of fire
367887 | Zig:3    | Killed from afar by an orb of fire (65 damage)
                  | ... with a fireball
367888 | Zig:3    | Killed an orb of fire
367888 | Zig:3    | Killed an orb of fire
367888 | Zig:3    | Killed an orb of fire
367888 | Zig:3    | Killed an orb of fire
367888 | Zig:3    | Killed an orb of fire
367888 | Zig:3    | Killed an orb of fire
367888 | Zig:3    | Killed an orb of fire
367888 | Zig:3    | Killed an orb of fire
367889 | Zig:3    | Killed an orb of fire
367889 | Zig:3    | Killed an orb of fire
367889 | Zig:3    | Killed an orb of fire
367889 | Zig:3    | Killed an orb of fire
367889 | Zig:3    | Killed an orb of fire
367889 | Zig:3    | Killed an orb of fire
367889 | Zig:3    | Killed an orb of fire
367889 | Zig:3    | Killed an orb of fire
367889 | Zig:3    | Killed an orb of fire
367889 | Zig:3    | Killed an orb of fire
367889 | Zig:3    | Killed an orb of fire
367889 | Zig:3    | Killed an orb of fire
367889 | Zig:3    | Killed an orb of fire
367890 | Zig:3    | Killed an orb of fire
367890 | Zig:3    | Killed an orb of fire
367890 | Zig:3    | Killed an orb of fire
367893 | Zig:3    | Killed an orb of fire
367893 | Zig:3    | Killed an orb of fire
367894 | Zig:3    | HP: 9/238 [orb of fire/bolt of fire (9)]
367894 | Zig:3    | Killed from afar by an orb of fire (106 damage)
                  | ... with a fireball
367895 | Zig:3    | Killed an orb of fire
367895 | Zig:3    | Killed an orb of fire
367895 | Zig:3    | Gained mutation: Your body sometimes deteriorates upon
                  | taking damage. [an orb of fire]
367896 | Zig:3    | Killed an orb of fire
368033 | Zig:3    | Identified the +7 halberd "Plog" {heavy, Contam MP+9
                  | Stlth+}
368041 | Zig:3    | Identified the +8 short sword "Wepol" {heavy, rC- rN++}
368050 | Zig:4    | Entered Level 4 of a ziggurat
368096 | Zig:4    | Identified the ring of Entrepreneurial Spirit {Fire rN+
                  | rCorr Dex-2}
368123 | Zig:5    | Entered Level 5 of a ziggurat
368260 | Zig:6    | Entered Level 6 of a ziggurat
368323 | Zig:6    | Identified the +0 pair of gloves of the Unbroken {rElec rF+
                  | rC+}
368329 | Zig:6    | Identified the +5 long sword "Icloihyr" {drain, Fragile
                  | Str+4 Dex+3}
368334 | Zig:7    | Entered Level 7 of a ziggurat
368527 | Zig:7    | Identified the +0 morningstar of Wittuise {drain, rPois
                  | Int+2 Stlth+}
368553 | Zig:8    | Entered Level 8 of a ziggurat
368553 | Zig:8    | Noticed a dread lich
368553 | Zig:8    | Noticed a dread lich
368553 | Zig:8    | Noticed an ancient lich
368553 | Zig:8    | Noticed a dread lich
368553 | Zig:8    | Noticed an ancient lich
368554 | Zig:8    | Noticed an ancient lich
368555 | Zig:8    | Killed an ancient lich
368555 | Zig:8    | Killed a dread lich
368556 | Zig:8    | Killed a dread lich
368557 | Zig:8    | Killed a dread lich
368557 | Zig:8    | Killed an ancient lich
368557 | Zig:8    | Noticed a dread lich
368560 | Zig:8    | Killed an ancient lich
368563 | Zig:8    | Noticed an ancient lich
368563 | Zig:8    | Noticed an ancient lich
368563 | Zig:8    | Noticed an ancient lich
368566 | Zig:8    | Killed a dread lich
368571 | Zig:8    | Killed an ancient lich
368573 | Zig:8    | Killed an ancient lich
368573 | Zig:8    | Killed an ancient lich
368591 | Zig:8    | Killed by arc of chain lightning (1 damage)
368878 | Zig:8    | Identified the ring "Ottuwn" {rN++ Will+}
368924 | Zig:9    | Entered Level 9 of a ziggurat
368924 | Zig:9    | Noticed a juggernaut
368924 | Zig:9    | Noticed a juggernaut
368924 | Zig:9    | Noticed a juggernaut
368924 | Zig:9    | Noticed a juggernaut
368924 | Zig:9    | Noticed a juggernaut
368924 | Zig:9    | Noticed a juggernaut
368924 | Zig:9    | Noticed a juggernaut
368928 | Zig:9    | Noticed a juggernaut
368928 | Zig:9    | Noticed a juggernaut
368928 | Zig:9    | Noticed a juggernaut
368929 | Zig:9    | Killed a juggernaut
368929 | Zig:9    | Killed a juggernaut
368930 | Zig:9    | Noticed a juggernaut
368930 | Zig:9    | Killed a juggernaut
368930 | Zig:9    | Killed a juggernaut
368930 | Zig:9    | Noticed a juggernaut
368931 | Zig:9    | Noticed a juggernaut
368931 | Zig:9    | Killed a juggernaut
368931 | Zig:9    | Killed a juggernaut
368931 | Zig:9    | Killed a juggernaut
368932 | Zig:9    | Killed a juggernaut
368932 | Zig:9    | Killed a juggernaut
368932 | Zig:9    | Noticed a juggernaut
368936 | Zig:9    | Killed a juggernaut
368936 | Zig:9    | Killed a juggernaut
368936 | Zig:9    | Killed a juggernaut
368936 | Zig:9    | Noticed a juggernaut
368939 | Zig:9    | Killed a juggernaut
368941 | Zig:9    | Noticed a juggernaut
368941 | Zig:9    | Killed a juggernaut
368942 | Zig:9    | Noticed a juggernaut
368943 | Zig:9    | Noticed a juggernaut
368943 | Zig:9    | Killed a juggernaut
368945 | Zig:9    | Noticed a juggernaut
368948 | Zig:9    | Killed a juggernaut
368948 | Zig:9    | Killed a juggernaut
368961 | Zig:9    | Killed a juggernaut
368967 | Zig:9    | Killed a juggernaut
369163 | Zig:9    | Identified the +1 whip of Yredelemnul {heavy, rPois Dex+3}
369200 | Zig:9    | Acquired 1260 gold pieces
369202 | Zig:9    | Acquired the -1 pair of gloves of Vanity {Will+}
369211 | Zig:9    | Learned a level 3 spell: Ignite Poison
369217 | Zig:10   | Entered Level 10 of a ziggurat
369221 | Zig:10   | Paralysed by an air elemental for 1 turns
369229 | Zig:10   | Paralysed by an air elemental for 1 turns
369231 | Zig:10   | Paralysed by an air elemental for 1 turns
369416 | Zig:10   | Lost mutation: You possess an exceptional clarity of mind.
                  | [potion of mutation]
369416 | Zig:10   | Lost mutation: You are partially covered in iridescent
                  | scales. (AC +2) [potion of mutation]
369416 | Zig:10   | Gained mutation: You expend magic power (3 MP) to
                  | strengthen your wands. [potion of mutation]
369416 | Zig:10   | Gained mutation: You are strong-willed. (Will+) [potion of
                  | mutation]
369416 | Zig:10   | Gained mutation: You are partially covered in iridescent
                  | scales. (AC +2) [potion of mutation]
369417 | Zig:10   | Lost mutation: Your muscles are strong. (Str +4, Int/Dex
                  | -1) [potion of mutation]
369417 | Zig:10   | Lost mutation: You expend magic power (3 MP) to strengthen
                  | your wands. [potion of mutation]
369418 | Zig:10   | Lost mutation: You are strong-willed. (Will+) [potion of
                  | mutation]
369418 | Zig:10   | Lost mutation: You are partially covered in iridescent
                  | scales. (AC +2) [potion of mutation]
369418 | Zig:10   | Gained mutation: You have large cloven feet. [potion of
                  | mutation]
369418 | Zig:10   | Gained mutation: You are extremely robust. (+30% HP)
                  | [potion of mutation]
369418 | Zig:10   | Gained mutation: You are weak. (Str -2) [potion of
                  | mutation]
369421 | Zig:10   | Lost mutation: You are weak. (Str -2) [potion of mutation]
369421 | Zig:10   | Lost mutation: Your body sometimes deteriorates upon taking
                  | damage. [potion of mutation]
369421 | Zig:10   | Lost mutation: You are extremely robust. (+30% HP) [potion
                  | of mutation]
369421 | Zig:10   | Gained mutation: You are extremely robust. (+30% HP)
                  | [potion of mutation]
369475 | Zig:10   | Identified the +7 short sword of the Changing Gods {drain,
                  | Fly Int+3 SInv}
369478 | Zig:10   | Identified the +10 dagger of Intimidation {heavy, rC++}
369482 | Zig:10   | Identified the staff of Circularity {rElec rPois Int+3 Air}
369501 | Zig:11   | Entered Level 11 of a ziggurat
369514 | Zig:11   | Paralysed by a floating eye for 3 turns
369774 | Zig:11   | Identified the +2 leather armour of Doicooja {rElec rCorr}
369787 | Zig:11   | Identified the +4 long sword of Kismet {spect, rPois
                  | Stlth+}
369793 | Zig:11   | Identified the ring "Qifa See" {rElec rF+ rCorr Int+3}
369799 | Zig:11   | Identified the +0 robe "Xusmi" {Fly Will- Slay+6}
369801 | Zig:11   | Identified the +1 robe of Tomorrow {MP+9 Int+2}
369827 | Zig:12   | Entered Level 12 of a ziggurat
369831 | Zig:12   | HP: 9/258 [daeva/divine providence (16)]
369832 | Zig:12   | Killed by arc of chain lightning (9 damage)
369837 | Zig:12   | Identified the +8 tower shield of Magic {rElec Will+} (You
                  | took it off a daeva on level 12 of a ziggurat)
369842 | Zig:12   | HP: 4/258 [daeva/divine providence (12)]
369842 | Zig:12   | Killed by divine providence
                  | ... invoked by a daeva
                  | (13 damage)
369846 | Zig:12   | Killed by arc of chain lightning (11 damage)
369847 | Zig:12   | Identified the +3 tower shield of Aluug {Str+3}
369849 | Zig:12   | HP: 12/258 [pearl dragon/blast of cleansing flame (10)]
369849 | Zig:12   | HP: 1/258 [daeva/divine providence (11)]
369849 | Zig:12   | Killed by divine providence
                  | ... invoked by a daeva
                  | (14 damage)
369854 | Zig:12   | HP: 8/258 [daeva/divine providence (14)]
369854 | Zig:12   | Killed by divine providence
                  | ... invoked by a daeva
                  | (13 damage)
369867 | Zig:12   | HP: 7/258 [pearl dragon] (23)]
369867 | Zig:12   | Killed by divine providence
                  | ... invoked by a daeva
                  | (15 damage)
369909 | Zig:12   | HP: 7/258 [daeva/divine providence (14)]
369910 | Zig:12   | Killed by an exploding ballistomycete spore (61 damage)
                  | ... set off by their pet
369926 | Zig:12   | Identified the +8 tower shield of Cowardice {rPois rN+
                  | Str+3}
369936 | Zig:12   | Identified the +6 tower shield "Iloeq" {rF+}
369937 | Zig:12   | HP: 2/258 [daeva/divine providence (12)]
369937 | Zig:12   | Killed by divine providence
                  | ... invoked by a daeva
                  | (12 damage)
370250 | Zig:13   | Entered Level 13 of a ziggurat
370645 | Zig:13   | Identified the ring "Qenoiq" {Int+6 Stlth+}
370647 | Zig:13   | Identified the +9 orcbow of the Pharaoh's Fist {drain,
                  | Int+3 Dex+4}
370667 | Zig:13   | Identified the ring "Muedd" {Ice Int+5}
370672 | Zig:13   | Identified the ring "Deugannos" {Fire Will- Str+3 Int+3
                  | SInv}
370674 | Zig:13   | Identified the ring "Jios" {rN+ Str+6 Dex+2}
370676 | Zig:13   | Identified the +5 whip "Misoipaz" {pain, Dex+3}
370681 | Zig:13   | Identified the +10 orcbow of Aco Cigh {freeze, rC- Str+3
                  | Int+2 SInv}
370706 | Zig:13   | Identified the +2 scale mail "Tulukk" {+Blink}
370709 | Zig:13   | Identified the +11 orcbow "Concordance" {heavy, rF+++ Will-
                  | Str+5}
370710 | Zig:13   | Identified the amulet of Reimbursement {Spirit *Slow rCorr
                  | Dex+4 Stlth+}
370713 | Zig:13   | Identified the +3 great sword of Subterfuge {antimagic,
                  | *Corrode rElec rF+ Will+++}
370724 | Zig:13   | Upgraded the game from 0.31-a0-740-g87205ac768 to
                  | 0.31-a0-744-gbc345e7fcb
370725 | Zig:14   | Entered Level 14 of a ziggurat
370746 | Zig:14   | HP: 11/258 [balrug/divine providence (14)]
370749 | Zig:14   | Killed from afar by a Brimstone Fiend (29 damage)
                  | ... with damnation
370756 | Zig:14   | Paralysed by accursed screaming for 1 turns
370757 | Zig:14   | HP: 4/258 [acid blob/splash of acid[a demonspawn corrupter]
                  | (12)]
370757 | Zig:14   | Slain by a Brimstone Fiend (7 damage)
                  | ... while paralysed by accursed screaming
370761 | Zig:14   | Killed from afar by an Ice Fiend (48 damage)
                  | ... with a bolt of cold
370767 | Zig:14   | HP: 5/258 [starcursed mass/accursed screaming[a demonspawn
                  | corrupter] (8)]
370768 | Zig:14   | Mangled by a demonspawn black sun
                  | ... wielding a +2 demon trident of
                  | electrocution
                  | (19 damage)
370773 | Zig:14   | HP: 9/258 [Brimstone Fiend (6)]
370774 | Zig:14   | HP: 4/258 [Hell Sentinel (11)]
370774 | Zig:14   | Demolished by a reaper
                  | ... wielding a +1 scythe of venom
                  | (19 damage)
370779 | Zig:14   | HP: 10/258 [demonspawn corrupter/+0 demon blade of freezing
                  | (19)]
370779 | Zig:14   | Demolished by a Hell Sentinel (26 damage)
370783 | Zig:14   | Demolished by a demonspawn warmonger
                  | ... wielding a +1 demon whip of flaming
                  | (21 damage)
370785 | Zig:14   | Slain by a Hell Sentinel (44 damage)
370788 | Zig:14   | Slain by a Hell Sentinel (23 damage)
370795 | Zig:14   | Killed by an exploding ballistomycete spore (15 damage)
370803 | Zig:14   | HP: 12/258 [spore (27)]
370803 | Zig:14   | Killed by an exploding green death (32 damage)
                  | ... ignited by their inner flame
370808 | Zig:14   | Killed from afar by a Hell Sentinel (45 damage)
                  | ... with an iron shot
370820 | Zig:14   | Noticed Heix Pobb the pandemonium lord
370828 | Zig:14   | Killed by an exploding ballistomycete spore (87 damage)
                  | ... set off by their pet
370832 | Zig:14   | Killed Heix Pobb the pandemonium lord
370842 | Zig:14   | Killed by an exploding ballistomycete spore (42 damage)
                  | ... set off by their pet
371040 | Zig:14   | Identified the +0 pair of gloves of Fosiwn {Harm Int-3
                  | Dex+4 SInv}
371053 | Zig:14   | Identified the ring "Woumur" {rC+ rCorr AC+4}
371116 | Zig:14   | Identified the +0 chain mail of the Wild Haggis {Regen+
                  | Int+5}
371124 | Zig:15   | Entered Level 15 of a ziggurat
371124 | Zig:15   | Noticed a royal mummy
371124 | Zig:15   | Noticed a royal mummy
371124 | Zig:15   | Noticed a royal mummy
371124 | Zig:15   | Noticed a royal mummy
371124 | Zig:15   | Noticed a royal mummy
371124 | Zig:15   | Noticed a royal mummy
371124 | Zig:15   | Noticed a royal mummy
371124 | Zig:15   | Noticed a royal mummy
371124 | Zig:15   | Noticed a royal mummy
371124 | Zig:15   | Noticed a royal mummy
371124 | Zig:15   | Noticed a royal mummy
371124 | Zig:15   | Noticed a royal mummy
371127 | Zig:15   | HP: 5/258 [something (12)]
371127 | Zig:15   | Killed by divine providence
                  | ... invoked by a mummy priest
                  | (12 damage)
371128 | Zig:15   | Noticed a royal mummy
371129 | Zig:15   | Noticed a royal mummy
371130 | Zig:15   | Killed a royal mummy
371130 | Zig:15   | Killed by divine providence
                  | ... invoked by a mummy priest
                  | (15 damage)
371131 | Zig:15   | Killed a royal mummy
371131 | Zig:15   | Killed a royal mummy
371131 | Zig:15   | Killed a royal mummy
371131 | Zig:15   | Noticed a royal mummy
371131 | Zig:15   | Noticed a royal mummy
371131 | Zig:15   | Noticed a royal mummy
371131 | Zig:15   | Noticed a royal mummy
371132 | Zig:15   | Killed a royal mummy
371133 | Zig:15   | HP: 4/258 [spore (22)]
371133 | Zig:15   | Mangled by a bennu (11 damage)
371134 | Zig:15   | Noticed a royal mummy
371134 | Zig:15   | Noticed a royal mummy
371135 | Zig:15   | Killed a royal mummy
371135 | Zig:15   | Killed a royal mummy
371135 | Zig:15   | Killed a royal mummy
371135 | Zig:15   | Noticed a royal mummy
371135 | Zig:15   | Noticed a royal mummy
371135 | Zig:15   | Killed by divine providence
                  | ... invoked by a royal mummy
                  | (14 damage)
371136 | Zig:15   | Killed a royal mummy
371136 | Zig:15   | Noticed a royal mummy
371136 | Zig:15   | Noticed a royal mummy
371137 | Zig:15   | Noticed a royal mummy
371137 | Zig:15   | Noticed a royal mummy
371139 | Zig:15   | Killed a royal mummy
371139 | Zig:15   | Killed by an exploding storm dragon skeleton (50 damage)
                  | ... ignited by their inner flame
371139 | Zig:15   | Killed a royal mummy
371139 | Zig:15   | Killed a royal mummy
371139 | Zig:15   | Killed a royal mummy
371139 | Zig:15   | Killed a royal mummy
371139 | Zig:15   | Killed a royal mummy
371139 | Zig:15   | Killed a royal mummy
371139 | Zig:15   | Killed a royal mummy
371139 | Zig:15   | Killed a royal mummy
371139 | Zig:15   | Killed a royal mummy
371139 | Zig:15   | Killed a royal mummy
371139 | Zig:15   | Killed a royal mummy
371139 | Zig:15   | Killed a royal mummy
371139 | Zig:15   | Killed by an exploding royal mummy (42 damage)
                  | ... ignited by their inner flame
371140 | Zig:15   | Noticed a royal mummy
371141 | Zig:15   | Noticed a royal mummy
371142 | Zig:15   | Killed a royal mummy
371142 | Zig:15   | Killed a royal mummy
371143 | Zig:15   | Noticed a royal mummy
371143 | Zig:15   | Noticed a royal mummy
371144 | Zig:15   | Killed a royal mummy
371144 | Zig:15   | Killed a royal mummy
371144 | Zig:15   | HP: 11/258 [spore (16)]
371144 | Zig:15   | Noticed a royal mummy
371145 | Zig:15   | Killed by divine providence
                  | ... invoked by a royal mummy
                  | (14 damage)
371146 | Zig:15   | Noticed a royal mummy
371147 | Zig:15   | Killed a royal mummy
371147 | Zig:15   | Noticed a royal mummy
371149 | Zig:15   | HP: 8/258 [??? (1)]
371149 | Zig:15   | Noticed a royal mummy
371149 | Zig:15   | Killed by divine providence
                  | ... invoked by a royal mummy
                  | (14 damage)
371149 | Zig:15   | Noticed a royal mummy
371150 | Zig:15   | Noticed a royal mummy
371150 | Zig:15   | Noticed a royal mummy
371153 | Zig:15   | Noticed a royal mummy
371154 | Zig:15   | HP: 11/258 [bennu (14)]
371154 | Zig:15   | Slain by a bennu (12 damage)
371158 | Zig:15   | Killed a royal mummy
371158 | Zig:15   | Killed a royal mummy
371158 | Zig:15   | Killed a royal mummy
371158 | Zig:15   | Killed by a royal mummy's death curse (21 damage)
371158 | Zig:15   | Noticed a royal mummy
371160 | Zig:15   | Killed a royal mummy
371161 | Zig:15   | Noticed a royal mummy
371161 | Zig:15   | Noticed a royal mummy
371162 | Zig:15   | Killed a royal mummy
371162 | Zig:15   | Killed a royal mummy
371162 | Zig:15   | Killed a royal mummy
371162 | Zig:15   | Killed a royal mummy
371162 | Zig:15   | Killed a royal mummy
371162 | Zig:15   | Killed a royal mummy
371162 | Zig:15   | Killed a royal mummy
371162 | Zig:15   | Killed by a royal mummy's death curse (24 damage)
371162 | Zig:15   | Noticed a royal mummy
371162 | Zig:15   | Noticed a royal mummy
371162 | Zig:15   | Noticed a royal mummy
371163 | Zig:15   | Noticed a royal mummy
371163 | Zig:15   | Killed a royal mummy
371163 | Zig:15   | Noticed a royal mummy
371166 | Zig:15   | Killed a royal mummy
371166 | Zig:15   | Noticed a royal mummy
371167 | Zig:15   | Noticed a royal mummy
371170 | Zig:15   | HP: 12/258 [something (12)]
371170 | Zig:15   | HP: 2/258 [mummy priest/divine providence (9)]
371171 | Zig:15   | Killed a royal mummy
371171 | Zig:15   | Noticed a royal mummy
371171 | Zig:15   | Killed by divine providence
                  | ... invoked by a royal mummy
                  | (12 damage)
371177 | Zig:15   | Killed a royal mummy
371177 | Zig:15   | Killed a royal mummy
371177 | Zig:15   | Killed a royal mummy
371177 | Zig:15   | Killed a royal mummy
371177 | Zig:15   | Killed a royal mummy
371177 | Zig:15   | Killed a royal mummy
371177 | Zig:15   | Killed a royal mummy
371177 | Zig:15   | HP: 4/258 [something (23)]
371177 | Zig:15   | Killed by a guardian mummy's death curse (9 damage)
371178 | Zig:15   | Noticed a royal mummy
371178 | Zig:15   | Noticed a royal mummy
371179 | Zig:15   | Noticed a royal mummy
371179 | Zig:15   | Noticed a royal mummy
371179 | Zig:15   | Noticed a royal mummy
371180 | Zig:15   | Identified the ring "Penar" {rElec rPois rF+ rC+}
371181 | Zig:15   | Noticed a royal mummy
371182 | Zig:15   | Killed a royal mummy
371182 | Zig:15   | Killed by an exploding storm dragon skeleton (52 damage)
                  | ... ignited by their inner flame
371182 | Zig:15   | Killed a royal mummy
371182 | Zig:15   | Killed a royal mummy
371182 | Zig:15   | HP: 12/258 [spore (51)]
371182 | Zig:15   | Killed by an exploding death scarab (26 damage)
                  | ... ignited by their inner flame
371182 | Zig:15   | Killed a royal mummy
371192 | Zig:15   | Noticed a royal mummy
371194 | Zig:15   | Noticed a royal mummy
371196 | Zig:15   | Killed a royal mummy
371197 | Zig:15   | Noticed a royal mummy
371199 | Zig:15   | Killed by an exploding ballistomycete spore (60 damage)
371200 | Zig:15   | Killed a royal mummy
371201 | Zig:15   | Killed a royal mummy
371202 | Zig:15   | Killed a royal mummy
371207 | Zig:15   | Killed a royal mummy
371207 | Zig:15   | HP: 6/258 [something (13)]
371208 | Zig:15   | Noticed a royal mummy
371212 | Zig:15   | Killed by an exploding ballistomycete spore (39 damage)
                  | ... set off by their pet
371213 | Zig:15   | Killed a royal mummy
371213 | Zig:15   | Killed a royal mummy
371564 | Zig:15   | Identified the ring of the Feeding Gods {Str+3 Int+6 Dex+4}
371570 | Zig:15   | Identified the +4 shortbow of the Blessed Realm {freeze,
                  | rCorr SInv Stlth+}
371578 | Zig:15   | Identified the +1 chain mail of Beyond {-Tele rF+ Dex+4}
371579 | Zig:15   | Identified the +5 flail of the Imbibing Augurer {protect,
                  | Stlth+}
371580 | Zig:15   | Identified the amulet "Boisiuss" {Reflect *Corrode Str+3
                  | Int+2 Slay+2 SH+5}
371589 | Zig:15   | Identified the +4 orcbow "Qogicecwa" {drain, Fragile +Blink
                  | Will+++ Int-4}
371594 | Zig:15   | Identified the ring of Bezofis {rElec rC- rN+ rCorr SInv}
371596 | Zig:15   | Identified the staff "Heiboat" {rN+ Dex+3 Necro}
371599 | Zig:15   | Identified the +0 dagger of Doubt {heavy, rC+ Str-3 Int+4}
371610 | Zig:15   | Identified the +9 falchion "Tycwogif" {flame, Drain rPois
                  | rCorr Stlth+}
371614 | Zig:15   | Identified the amulet of Xeasaa Ranoy {Acrobat rPois rN+
                  | Slay-3}
371621 | Zig:15   | Identified the staff "Goblinslayer" {*Slow rC+ Int+3 Earth}
371642 | Zig:15   | Identified the +4 plate armour of the Everdark {Contam
                  | +Blink rF+ Stlth+}
371689 | Zig:16   | Entered Level 16 of a ziggurat
371691 | Zig:16   | HP: 3/258 [red draconian scorcher/damnation (25)]
371703 | Abyss:6  | Cast into level 6 of the Abyss (black draconian knight)
371773 | Zig:16   | Escaped the Abyss
371981 | Zig:16   | Identified the ring of Beineoq {Fire Drain rPois Str+2}
371984 | Zig:16   | Identified the +2 swamp dragon scales "Guplusa" {rPois
                  | rN+++ Regen+ Str-3 Dex+2}
371996 | Zig:16   | Identified the ring "Duthuufe" {rElec rF+ Str+5 Dex-4}
372023 | Zig:16   | Identified the +10 orcbow of Midwinter {flame, Fragile
                  | rElec rF+}
372025 | Zig:16   | Identified the staff of the Globe {rElec rC- rN+ Str+4
                  | Necro}
372027 | Zig:16   | Identified the +4 falchion "Himok" {drain, rF- rC+ Str+2
                  | Dex+7}
372028 | Zig:16   | Identified the +0 robe of Woableri {rC+ Regen+}
372047 | Zig:16   | Identified the +7 hand axe "Ofapirug" {heavy, Fly rCorr
                  | Stlth+}
372054 | Zig:16   | Identified the +4 dagger "Dragon's Death Toll" {flame,
                  | rPois Int+3 Dex+3}
372058 | Zig:16   | Identified the +3 demon blade of the Supporting King
                  | {flame, Str+4 Int-2}
372069 | Zig:16   | Acquired 1004 gold pieces
372085 | Zig:16   | orange crystal armor and amulet of regeneration
372088 | Zig:17   | Entered Level 17 of a ziggurat
372097 | Zig:17   | Noticed an ancient lich
372098 | Zig:17   | Paralysed by accursed screaming for 2 turns
372103 | Zig:17   | Killed by an exploding bone dragon (43 damage)
                  | ... ignited by their inner flame
372105 | Zig:17   | Killed an ancient lich
372105 | Zig:17   | Paralysed by accursed screaming for 2 turns
372109 | Zig:17   | Noticed a dread lich
372110 | Zig:17   | HP: 10/258 [bone dragon (7)]
372111 | Zig:17   | Killed by arc of chain lightning (5 damage)
372118 | Zig:17   | Paralysed by accursed screaming for 2 turns
372143 | Zig:17   | Paralysed by accursed screaming for 2 turns
372147 | Zig:17   | HP: 2/258 [starcursed mass/accursed screaming (26)]
372148 | Zig:17   | Killed from afar by a starcursed mass (illusionary) (25
                  | damage)
                  | ... with an accursed screaming
372170 | Zig:17   | HP: 12/258 [starcursed mass (illusionary)/accursed
                  | screaming (5)]
372172 | Zig:17   | Killed from afar by a starcursed mass (19 damage)
                  | ... with an accursed screaming
372199 | Zig:17   | Paralysed by accursed screaming for 2 turns
372211 | Zig:17   | Paralysed by accursed screaming for 1 turns
372451 | Zig:17   | Identified the +0 sling of Vauxke {flame, Will+ rCorr SInv}
372459 | Zig:17   | Identified the +1 rapier of Grace {flame, rN+}
372460 | Zig:17   | Identified the +9 great sword "Levvueg" {freeze, Str+2}
372470 | Zig:17   | Identified the +7 hand cannon of Thoughtfulness {drain,
                  | rCorr Dex+2 SInv}
372505 | Zig:17   | Identified the +0 ring mail of Ru's Wrath {rCorr}
372520 | Zig:17   | Identified the +7 dagger of Zenapseu {freeze, rF+ rN+}
372559 | Zig:18   | Entered Level 18 of a ziggurat
372565 | Zig:18   | Killed from afar by an Ice Fiend (48 damage)
                  | ... with a bolt of cold
372567 | Zig:18   | Noticed a dread lich
372568 | Zig:18   | Killed a dread lich
372570 | Zig:18   | Paralysed by a wendigo for 1 turns
372618 | Zig:18   | Paralysed by a wendigo for 1 turns
372652 | Zig:18   | HP: 12/258 [??? (1)]
372659 | Zig:18   | Engulfed by a cloud of freezing vapour (25 damage)
372672 | Zig:18   | Killed by an exploding ballistomycete spore (43 damage)
                  | ... set off by their pet
372674 | Zig:18   | Paralysed by a wendigo for 1 turns
372683 | Zig:18   | HP: 10/258 [blizzard demon/the air (26)]
372684 | Zig:18   | Killed from afar by a wendigo (52 damage)
                  | ... with a seracfall
372685 | Zig:18   | Paralysed by a wendigo for 1 turns
372692 | Zig:18   | Paralysed by a wendigo for 1 turns
372695 | Zig:18   | Killed from afar by an Ice Fiend (48 damage)
                  | ... with a bolt of cold
372695 | Zig:18   | Paralysed by a wendigo for 1 turns
372699 | Zig:18   | Killed from afar by a blizzard demon (88 damage)
                  | ... with a bolt of cold
372705 | Zig:18   | Paralysed by a wendigo for 1 turns
372706 | Zig:18   | HP: 1/258 [Ice Fiend/bolt of cold (16)]
372707 | Zig:18   | Killed from afar by an Ice Fiend (12 damage)
                  | ... with a bolt of cold
372711 | Zig:18   | Slain by a nargun (73 damage)
372733 | Zig:18   | HP: 7/258 [blizzard demon/the air (11)]
372755 | Zig:18   | HP: 11/258 [??? (1)]
372760 | Zig:18   | Paralysed by a wendigo for 1 turns
372789 | Zig:18   | Engulfed by a blizzard demon's freezing vapour (33 damage)
372894 | Zig:18   | HP: 8/258 [shard shrike/shard of ice (56)]
372896 | Zig:18   | Killed by an exploding ballistomycete spore (17 damage)
373037 | Zig:19   | Entered Level 19 of a ziggurat
373037 | Zig:19   | Noticed a dread lich
373037 | Zig:19   | Noticed a dread lich
373037 | Zig:19   | Noticed an ancient lich
373037 | Zig:19   | Noticed an ancient lich
373037 | Zig:19   | Noticed a dread lich
373037 | Zig:19   | Noticed an ancient lich
373037 | Zig:19   | Noticed a dread lich
373037 | Zig:19   | Noticed a dread lich
373037 | Zig:19   | Noticed a dread lich
373037 | Zig:19   | Noticed a dread lich
373037 | Zig:19   | Noticed a dread lich
373037 | Zig:19   | Noticed an ancient lich
373037 | Zig:19   | Noticed an ancient lich
373037 | Zig:19   | Noticed a dread lich
373037 | Zig:19   | Noticed an ancient lich
373037 | Zig:19   | Noticed an ancient lich
373039 | Zig:19   | Noticed an ancient lich
373040 | Zig:19   | Noticed a dread lich
373041 | Zig:19   | Killed a dread lich
373041 | Zig:19   | Killed an ancient lich
373041 | Zig:19   | Killed an ancient lich
373041 | Zig:19   | Killed a dread lich
373041 | Zig:19   | Killed an ancient lich
373041 | Zig:19   | Killed an ancient lich
373041 | Zig:19   | Killed a dread lich
373041 | Zig:19   | Killed an ancient lich
373041 | Zig:19   | Killed an ancient lich
373041 | Zig:19   | Killed a dread lich
373041 | Zig:19   | Killed a dread lich
373041 | Zig:19   | Killed a dread lich
373041 | Zig:19   | Killed a dread lich
373041 | Zig:19   | Killed a dread lich
373041 | Zig:19   | Killed an ancient lich
373041 | Zig:19   | Killed a dread lich
373041 | Zig:19   | Killed a dread lich
373041 | Zig:19   | Noticed a dread lich
373041 | Zig:19   | Killed an ancient lich
373048 | Zig:19   | Noticed an ancient lich
373048 | Zig:19   | Killed a dread lich
373052 | Zig:19   | Killed from afar by a titan (18 damage)
                  | ... with a bolt of lightning
373054 | Zig:19   | Killed an ancient lich
373055 | Zig:19   | Noticed a dread lich
373056 | Zig:19   | Noticed a dread lich
373057 | Zig:19   | Noticed a dread lich
373057 | Zig:19   | Noticed an ancient lich
373057 | Zig:19   | Noticed an ancient lich
373059 | Zig:19   | Killed a dread lich
373060 | Zig:19   | Killed a dread lich
373060 | Zig:19   | Noticed an ancient lich
373061 | Zig:19   | Noticed an ancient lich
373063 | Zig:19   | Killed a dread lich
373063 | Zig:19   | Noticed a dread lich
373063 | Zig:19   | Noticed a dread lich
373063 | Zig:19   | Noticed an ancient lich
373064 | Zig:19   | Noticed a dread lich
373065 | Zig:19   | Killed an ancient lich
373065 | Zig:19   | Noticed a dread lich
373066 | Zig:19   | Killed an ancient lich
373067 | Zig:19   | Killed an ancient lich
373070 | Zig:19   | Killed an ancient lich
373071 | Zig:19   | Killed an ancient lich
373071 | Zig:19   | Killed a dread lich
373073 | Zig:19   | Killed a dread lich
373075 | Zig:19   | Killed a dread lich
373078 | Zig:19   | Killed a dread lich
373080 | Zig:19   | Noticed an ancient lich
373084 | Zig:19   | Noticed an ancient lich
373084 | Zig:19   | Noticed an ancient lich
373085 | Zig:19   | Killed an ancient lich
373085 | Zig:19   | Noticed an ancient lich
373089 | Zig:19   | Noticed an ancient lich
373091 | Zig:19   | Killed an ancient lich
373095 | Zig:19   | Killed an ancient lich
373097 | Zig:19   | Killed an ancient lich
373098 | Zig:19   | Killed an ancient lich
373101 | Zig:19   | Noticed an ancient lich
373101 | Zig:19   | Noticed a dread lich
373107 | Zig:19   | Killed a dread lich
373109 | Zig:19   | Killed an ancient lich
373121 | Zig:19   | Noticed a dread lich
373121 | Zig:19   | Noticed an ancient lich
373123 | Zig:19   | Noticed an ancient lich
373123 | Zig:19   | Noticed an ancient lich
373126 | Zig:19   | Noticed an ancient lich
373126 | Zig:19   | Killed a dread lich
373127 | Zig:19   | Noticed an ancient lich
373128 | Zig:19   | Killed an ancient lich
373129 | Zig:19   | Killed an ancient lich
373130 | Zig:19   | Killed an ancient lich
373133 | Zig:19   | Noticed an ancient lich
373135 | Zig:19   | Killed an ancient lich
373139 | Zig:19   | Killed an ancient lich
373150 | Zig:19   | Killed an ancient lich
373151 | Zig:19   | Noticed a dread lich
373153 | Zig:19   | Killed a dread lich
373155 | Zig:19   | Noticed an ancient lich
373158 | Zig:19   | Killed an ancient lich
373162 | Zig:19   | Noticed an ancient lich
373166 | Zig:19   | Noticed an ancient lich
373167 | Zig:19   | Killed an ancient lich
373168 | Zig:19   | Noticed a dread lich
373168 | Zig:19   | Noticed a dread lich
373169 | Zig:19   | Killed by an exploding ballistomycete spore (53 damage)
373171 | Zig:19   | Killed a dread lich
373171 | Zig:19   | Killed an ancient lich
373172 | Zig:19   | Killed a dread lich
373172 | Zig:19   | Killed an ancient lich
373181 | Zig:19   | Noticed a dread lich
373184 | Zig:19   | Noticed an ancient lich
373185 | Zig:19   | Killed a dread lich
373188 | Zig:19   | Killed an ancient lich
373201 | Zig:19   | Noticed an ancient lich
373207 | Zig:19   | Killed an ancient lich
373210 | Zig:19   | Killed an ancient lich
373214 | Zig:19   | Noticed an ancient lich
373214 | Zig:19   | Noticed an ancient lich
373214 | Zig:19   | Killed a dread lich
373219 | Zig:19   | Killed an ancient lich
373219 | Zig:19   | Killed an ancient lich
373250 | Zig:19   | Noticed a dread lich
373252 | Zig:19   | Killed a dread lich
373262 | Zig:19   | Noticed a dread lich
373264 | Zig:19   | Noticed a dread lich
373265 | Zig:19   | Noticed an ancient lich
373266 | Zig:19   | Killed by an exploding ballistomycete spore (72 damage)
373266 | Zig:19   | Killed a dread lich
373266 | Zig:19   | Noticed a dread lich
373266 | Zig:19   | Noticed an ancient lich
373268 | Zig:19   | Killed an ancient lich
373268 | Zig:19   | Killed a dread lich
373268 | Zig:19   | Noticed an ancient lich
373270 | Zig:19   | Noticed a dread lich
373272 | Zig:19   | Noticed a dread lich
373272 | Zig:19   | Killed a dread lich
373273 | Zig:19   | Killed an ancient lich
373273 | Zig:19   | Noticed an ancient lich
373275 | Zig:19   | Killed an ancient lich
373276 | Zig:19   | Killed a dread lich
373277 | Zig:19   | Killed a dread lich
373285 | Zig:19   | Killed an ancient lich
373287 | Zig:19   | Noticed an ancient lich
373290 | Zig:19   | Noticed a dread lich
373292 | Zig:19   | Killed an ancient lich
373295 | Zig:19   | Killed a dread lich
373316 | Zig:19   | Noticed an ancient lich
373319 | Zig:19   | Killed an ancient lich
373324 | Zig:19   | Noticed a dread lich
373326 | Zig:19   | Noticed an ancient lich
373328 | Zig:19   | Killed a dread lich
373329 | Zig:19   | Killed an ancient lich
373332 | Zig:19   | Noticed a dread lich
373334 | Zig:19   | Killed a dread lich
373337 | Zig:19   | Noticed a dread lich
373337 | Zig:19   | Noticed a dread lich
373339 | Zig:19   | Noticed an ancient lich
373342 | Zig:19   | Killed a dread lich
373343 | Zig:19   | Killed a dread lich
373345 | Zig:19   | Noticed an ancient lich
373346 | Zig:19   | Killed an ancient lich
373351 | Zig:19   | Killed an ancient lich
373352 | Zig:19   | Noticed an ancient lich
373353 | Zig:19   | Noticed a dread lich
373355 | Zig:19   | Killed an ancient lich
373357 | Zig:19   | Killed a dread lich
373374 | Zig:19   | Noticed a dread lich
373374 | Zig:19   | Noticed an ancient lich
373374 | Zig:19   | Noticed an ancient lich
373379 | Zig:19   | Killed a dread lich
373380 | Zig:19   | Noticed an ancient lich
373380 | Zig:19   | Killed an ancient lich
373380 | Zig:19   | Killed a dread lich
373385 | Zig:19   | Killed an ancient lich
373388 | Zig:19   | Noticed a dread lich
373388 | Zig:19   | Noticed an ancient lich
373389 | Zig:19   | Noticed an ancient lich
373389 | Zig:19   | Killed an ancient lich
373390 | Zig:19   | Noticed a dread lich
373392 | Zig:19   | Noticed an ancient lich
373393 | Zig:19   | Noticed an ancient lich
373395 | Zig:19   | Killed a dread lich
373398 | Zig:19   | Killed an ancient lich
373399 | Zig:19   | Killed an ancient lich
373399 | Zig:19   | Killed an ancient lich
373400 | Zig:19   | HP: 8/258 [golden dragon/bolt of cold (69)]
373403 | Zig:19   | Killed by an exploding ballistomycete spore (25 damage)
                  | ... set off by their pet
373404 | Zig:19   | Killed a dread lich
373408 | Zig:19   | Noticed an ancient lich
373409 | Zig:19   | Killed an ancient lich
373409 | Zig:19   | Noticed an ancient lich
373415 | Zig:19   | Noticed an ancient lich
373416 | Zig:19   | Noticed a dread lich
373416 | Zig:19   | Noticed a dread lich
373418 | Zig:19   | Noticed a dread lich
373422 | Zig:19   | Killed a dread lich
373422 | Zig:19   | Killed a dread lich
373424 | Zig:19   | Killed a dread lich
373426 | Zig:19   | Killed an ancient lich
373426 | Zig:19   | Killed an ancient lich
373426 | Zig:19   | Killed an ancient lich
373597 | Zig:19   | Identified the +6 sling of the Kissing Seer {flame, Contam
                  | Int+2 SInv}
373598 | Zig:19   | Identified the staff of the Writhing Ancients {Will+ Str+6
                  | Conj}
373601 | Zig:19   | Identified the amulet of the Sturgeon {Spirit rN+ rCorr
                  | Int-2}
373613 | Zig:19   | Identified the +1 robe "Uzil" {rElec Dex+3}
373626 | Zig:19   | Identified the staff "Sienn" {rF+ Will+ Int+2 Fire}
373642 | Zig:19   | Identified the +10 rapier of the Common Good {heavy, *Slow
                  | rF+ Int+3}
373645 | Zig:19   | Identified the +10 glaive of Immorality {drain, rC+ Str+3}
373654 | Zig:20   | Entered Level 20 of a ziggurat
373672 | Zig:20   | HP: 10/258 [emperor scorpion (9)]
373672 | Zig:20   | HP: 2/258 [something (8)]
373672 | Zig:20   | Mangled by an emperor scorpion (14 damage)
373679 | Zig:20   | HP: 1/258 [something (16)]
373679 | Zig:20   | Mangled by a ghost moth (7 damage)
373688 | Zig:20   | Slain by an emperor scorpion (16 damage)
373691 | Zig:20   | HP: 11/258 [something (4)]
373691 | Zig:20   | HP: 1/258 [something (10)]
373691 | Zig:20   | Demolished by a ghost moth (21 damage)
373693 | Zig:20   | Lost dexterity.
373694 | Zig:20   | Slain by an emperor scorpion (23 damage)
                  | ... while paralysed
373696 | Zig:20   | HP: 10/258 [something (10)]
373696 | Zig:20   | HP: 1/258 [something (9)]
373696 | Zig:20   | Slain by an emperor scorpion (3 damage)
                  | ... while paralysed
373699 | Zig:20   | Slain by an emperor scorpion (6 damage)
373700 | Zig:20   | Slain by a ghost moth (14 damage)
373701 | Zig:20   | HP: 2/258 [emperor scorpion (42)]
373701 | Zig:20   | Slain by an emperor scorpion (4 damage)
373702 | Zig:20   | Demolished by a ghost moth (19 damage)
373703 | Zig:20   | Mangled by a ghost moth (9 damage)
373704 | Zig:20   | Mangled by a ghost moth (13 damage)
373705 | Zig:20   | Annihilated by an emperor scorpion (36 damage)
373706 | Zig:20   | HP: 10/208 [emperor scorpion (10)]
373706 | Zig:20   | Annihilated by an emperor scorpion (40 damage)
373707 | Zig:20   | Slain by an emperor scorpion (10 damage)
373707 | Zig:20   | HP: 2/208 [emperor scorpion (25)]
373707 | Zig:20   | Mangled by an emperor scorpion (12 damage)
373708 | Zig:20   | Annihilated by an emperor scorpion (45 damage)
373709 | Zig:20   | Mangled by an emperor scorpion (22 damage)
373710 | Zig:20   | Annihilated by an emperor scorpion (39 damage)
373711 | Zig:20   | Slain by an emperor scorpion (34 damage)
373711 | Zig:20   | Mangled by an emperor scorpion (19 damage)
373712 | Zig:20   | Slain by an emperor scorpion (34 damage)
373712 | Zig:20   | Slain by an emperor scorpion (43 damage)
373713 | Zig:20   | Slain by an emperor scorpion (15 damage)
373714 | Zig:20   | HP: 5/220 [emperor scorpion (21)]
373714 | Zig:20   | Mangled by an emperor scorpion

Illustrated notes #..#... #.#... ### #..... #.. ###>.. #.#############.## #.##............# #.##.######.....# #†##(# #.##### ########## #@##.# #.# .........# #.##.# #.###### ########.# #.##.# #....... #.# #....# ######## #)# ###### #.# #.# #.# #.# Turn 41160 on D:5: Continue finishing exploring dungeons 5-7 I think or just until they're all explored

▓....)..)[[)
▓▓▓▓▓▓▓▓▓..)).).))))
▓.|.?:..=..)....).))
▓[=)|)=....))).)[.))
▓[|(.[/....))[))))))
▓).:)):...[))).).)))
▓∩:.))/.....))..))))
▓>):)|)..[.).)[[))))
▓∩/@([).....).)..)))
▓/):[[:.......)...[)
▓."[:.............).
▓)[|[|)........)).))
▓?[:/||..........).)
▓▓▓▓▓▓▓▓▓......)))..
..... ..)). .....
..... ... ..


Turn 372085 on Zig:16: orange crystal armor and amulet of regeneration

Levels and vault maps discovered:
D:1:      erik_arrival_triangle_small, layout_basic
D:2:      layout_basic, basic_altar
D:3:      minmay_spotlight, layout_loops_ring, serial_forest,
          infiniplex_forest_clump_tiny, infiniplex_forest_clump_curved,
          infiniplex_forest_straight_2, infiniplex_forest_lined_corner,
          infiniplex_forest_clump_small, infiniplex_forest_straight_4,
          infiniplex_forest_clump_diagonal
D:4:      minmay_inner_zag, layout_loops_ring, grunt_temple_overflow_open
D:5:      layout_basic, tgw_trog
D:6:      layout_loops_ring, minmay_temple_entry_sparse_star,
          gammafunk_ghost_hive, uniq_edmund
D:7:      layout_cave_pods, overflow_temple_1_default
D:8:      layout_gridville, lemuel_tele_altar, lemuel_flame_loot_1
D:9:      layout_small_grid, serial_shops, kennysheep_mini_moat, minivault_8
D:10:     layout_rooms, makhleb_altar_promises_db, lair_entry_dummy,
          hangedman_misty_isle, uniq_joseph
D:11:     layout_cave_pods, erik_orc_3, serial_shops, shop_coins,
          nicolae_square_shop
D:12:     layout_basic, portal_ice_cave_entry_pillars_1, serial_shops,
          nicolae_shop_hallway_stairs, gauntlet_entry_generic,
          chequers_serial_rivers_micro_c, hangedman_abyss_or_decor_passed,
          uniq_nergalle
D:13:     layout_roguey
D:14:     layout_loops_ring, grunt_vaults_entry_tiered, serial_park_square2,
          kennysheep_big_empty_room
D:15:     grunt_enter_depths_snipers, layout_rooms, uniq_jorgrun, uniq_louise,
          uniq_nessos, uniq_agnes, uniq_kirke
Temple:   oiseaux_autumnal_temple
Lair:1:   layout_regular_city, hangedman_lair_generics_rect,
          serial_bayou_shore_b, uniq_maggie
Lair:2:   nzn_winding_woodlands_cross [nzn_winding_woodlands_5x15_eye,
          nzn_winding_woodlands_5x15_longhouse,
          nzn_winding_woodlands_5x15_garden,
          nzn_winding_woodlands_5x15_lazy_stream,
          nzn_winding_woodlands_15x15_boxy_spiral], layout_layer_cave,
          basic_altar
Lair:3:   layout_loops_ring, nicolae_swamp_entry_splash_gauntlet,
          nicolae_snake_entry_squirm, chequers_serial_rivers_marsh
Lair:4:   gammafunk_cloud_chamber, layout_hall_layers
Lair:5:   hellmonk_lair_end_abyssal_woods, layout_cave_pods, slime_entry_1
Swamp:1:  layout_basic_swamp, evilmike_swamp_ruin_house_5,
          infiniplex_staircase_pool
Swamp:2:  nicolae_swamp_phyte_club, layout_basic_swamp,
          evilmike_swamp_ruin_house_4
Swamp:3:  layout_basic_swamp, evilmike_swamp_ruin_rubble_1
Swamp:4:  swamp_old_school, layout_basic_swamp, swamp_pool1
Snake:1:  layout_layer_cave, grunt_megastairs_3
Snake:2:  layout_basic
Snake:3:  layout_cave_shapes, minmay_shop_star, uniq_vashnia, uniq_asterion
Snake:4:  johnstein_snake_rune_scales, layout_misc_corridors
Slime:1:  layout_caves, cheibrodos_slime_lost_civilization_6
Slime:2:  layout_caves
Slime:3:  layout_caves
Slime:4:  layout_caves, nicolae_slime_welcoming_committee
Slime:5
Orc:1:    layout_caves, basic_altar
Orc:2:    grunt_orc_gardens, layout_diamond_mine, grunt_orc_garden,
          grunt_orc_garden, grunt_orc_garden, grunt_orc_garden, serial_shops,
          nicolae_diamond_shop
Elf:1:    nicolae_elf_arrival_aired_out, layout_gridlike, basic_altar,
          evilmike_minifort, small_chamber_with_monster, grunt_ministairs_8,
          uniq_nikola
Elf:2:    nicolae_elf_blades_crystal_corner, layout_rooms,
          nicolae_elf_big_sculpture_2, uniq_donald
Elf:3:    minmay_elf_hall_x, layout_geoelf_octagon, uniq_bai_suzhen,
          uniq_saint_roka
Vaults:1: infiniplex_enter_wizlab_glasses, nicolae_vaults_sealed_display,
          nicolae_vaults_ring_of_whatevers, nicolae_vaults_circle_grid_b,
          ontoclasm_vaults_fault, nicolae_vaults_what_the_h,
          vaults_room_grunt_arrival_ludios, hangedman_vaults_unwind,
          grunt_vaults_funnel, nicolae_vaults_quadrants, layout_vaults_omnibox
Vaults:2: v_misc_30, nicolae_vaults_big_angled_halls, door_vault,
          nicolae_vaults_diagonal_hallway_8, v_misc_3, vaults_room_pools,
          ontoclasm_vaults_eye, grunt_vaults_hallway_short,
          layout_vaults_chaotic_city, serial_shops, bzr_entry_customers
Vaults:3: portal_desolation_entry_ruin, minmay_crypt_entry_skeletal_spiral,
          nicolae_vaults_windows_and_doors_thing,
          ontoclasm_vaults_decontamination, v_misc_28,
          nicolae_vaults_display_case, v_misc_17, v_misc_14, vaults_room_fours,
          v_misc_26, vaults_dpeg_emergency_exit, ontoclasm_vaults_pinch,
          dpeg_vaults_monster_row, v_pattern_1, ontoclasm_vaults_loading_screen,
          layout_vaults_ring, nicolae_trove_entry_free_sample, serial_shops,
          shop
Vaults:4: ontoclasm_vaults_gateway, vaults_room_corners, vaults_mumra_lcd,
          vaults_mumra_hexcomb, v_rooms_2, v_misc_25, vaults_room_door_ring,
          hangedman_vaults_nails, layout_vaults_quadrants
Vaults:5
Crypt:1:  layout_misc_corridors, gammafunk_ghost_crypt, special_room
          [special_room_morgue], serial_sigils_hangedman_clutch, st_stairs_7
Crypt:2:  layout_misc_corridors, uniq_khufu
Crypt:3:  lightli_unholy_cathedral, layout_chaotic_city, grunt_megastairs_4
Tomb:1
Tomb:2:   uniq_mennas
Tomb:3
Depths:1: layout_cave_pools, pf_hell_entry_great_geh, abyss_entry,
          lightli_fourway_metalbox
Depths:2: nicolae_herringbone, layout_gridlike, hell_entry,
          grunt_pan_entry_sceptre, abyss_entry, tgw_xom, uniq_aizul
Depths:3: minmay_the_grid_triangle_9x9_recursive_3_mashed
          [minmay_the_grid_triangle_9x9_tough_junction,
          minmay_the_grid_triangle_9x9_windchime,
          minmay_the_grid_triangle_9x9_stretched_checkered,
          minmay_the_grid_triangle_9x9_prize_insulated,
          minmay_the_grid_triangle_9x9_corruption,
          minmay_the_grid_triangle_9x9_flanged_cone,
          minmay_the_grid_triangle_9x9_from_above,
          minmay_the_grid_triangle_9x9_sprig,
          minmay_the_grid_triangle_9x9_pentomino_pain], layout_basic,
          pf_coc_iceberg, hangedman_abyss_entry_splay, patterned_corridor,
          minmay_shop_grove
Depths:4: evilmike_zot_entry_round, layout_basic, enter_ziggurat_a,
          serial_shops, shop_fountains, hell_entry, nzn_wu_jian_council_hall,
          uniq_xtahua
Hell
Dis:1:    layout_regular_city, nicolae_dis_distal_crystal
Dis:2:    layout_subdivisions, nicolae_dis_metal_lava_thing
Dis:3:    layout_regular_city, glass_columns_a
Dis:4:    layout_regular_city, nicolae_hells_leichenhalle
Dis:5:    layout_subdivisions, nicolae_dis_strange_trophy_room
Dis:6:    layout_subdivisions
Dis:7:    dis_st
Geh:1:    layout_gehenna_pools_triple, nicolae_geh_gnashing_of_teeth
Geh:2:    layout_gehenna_pools_triple
Geh:3:    layout_gehenna_lava_caves
Geh:4:    layout_gehenna_pools_triple
Geh:5:    layout_gehenna_pools_basic
Geh:6:    layout_gehenna_pools_triple, nicolae_geh_isolated_escape
Geh:7:    geh_mu
Coc:1:    layout_ice_bergs
Coc:2:    layout_cocytus_water_paths
Coc:3:    layout_ice_bergs
Coc:4:    nicolae_hells_demon_pit, layout_cocytus_water_paths
Coc:5:    nicolae_coc_city_of_iceburg
Coc:6:    layout_cocytus_delve
Coc:7:    coc_grunt
Tar:1:    layout_grid_maze
Tar:2:    layout_honeycomb, nicolae_hells_seeping_fissure
Tar:3:    layout_grid_maze
Tar:4:    layout_honeycomb
Tar:5:    layout_honeycomb
Tar:6:    layout_grid_maze
Tar:7:    tar_old
Zot:1:    grunt_zot_stairs_mandelzot, layout_onion
Zot:2:    hangedman_zot_vaults_quadrants, layout_onion_interference
Zot:3:    layout_twisted_circle, st_stairs_1, uniq_tiamat
Zot:4:    lemuel_acid_trip, layout_onion_interference
Zot:5:    layout_gridlike
Zig:20:   ziggurat_pillar_abc, ziggurat_pillar_abc, ziggurat_pillar_abc,
          ziggurat_pillar_abc, ziggurat_pillar_d, ziggurat_pillar_d,
          ziggurat_pillar_d, ziggurat_pillar_d, ziggurat_pillar_centre_oklobs,
          ziggurat_pillar_centre_oklobs, ziggurat_pillar_centre_oklobs,
          ziggurat_pillar_centre_oklobs, ziggurat_pillar_centre_c,
          ziggurat_pillar_centre_c, ziggurat_pillar_centre_c,
          ziggurat_pillar_centre_c

Skill      XL: |  1  2  3  4  5  6  7  8  9 10 11 12 13 14 15 16 17 18 19 20 21 22 23 24 25 26 27 |
---------------+----------------------------------------------------------------------------------+-----
Axes           | 2 3 4 5 6 7 9 10 11 12 13 14 15 16 17 18 19 20 21 27 | 27.0
Fighting       | 4 5 7 8 9 10 12 13 14 15 16 17 18 19 21 22 23 24 25 26 27 27 | 27.0
Armour         | 4 5 7 8 9 11 12 13 14 15 16 17 18 19 20 21 22 23 24 25 27 | 27.0
Shields        | 4 5 7 8 9 11 12 13 14 15 16 17 18 19 20 21 22 23 24 25 27 | 27.0
Evocations     | 27 | 27.0
Maces & Flails | 27 | 27.0
Stealth        | 0 |  0.0
Invocations    | 27 | 27.0
Spellcasting   | 27 | 27.0
Ice Magic      | 27 | 27.0
Necromancy     | 27 | 27.0
Summonings     | 27 | 27.0
Transmutations | 27 | 27.0
Throwing       | 27 | 27.0
Staves         | 27 | 27.0
Polearms       | 27 | 27.0
Long Blades    | 27 | 27.0
Conjurations   | 27 | 27.0
Fire Magic     | 27 | 27.0
Short Blades   | 27 | 27.0
Ranged Weapons | 27 | 27.0
Earth Magic    | 27 | 27.0
Unarmed Combat | 27 | 27.0
Poison Magic   | 27 | 27.0
Hexes          | 27 | 27.0
Translocations | 27 | 27.0
Air Magic      | 27 | 27.0
Shapeshifting  | 27 | 27.0

Action                     |  1- 3 |  4- 6 |  7- 9 | 10-12 | 13-15 | 16-18 | 19-21 | 22-24 | 25-27 || total
---------------------------+-------+-------+-------+-------+-------+-------+-------+-------+-------++-------
  Melee: War axe           |    69 |    55 |   233 |   268 |    50 |       |       |       |       ||   675
         Broad axe         |       |       |       |   198 |   795 |  1273 |   968 |   919 |  3406 ||  7559
         Unarmed           |       |       |       |       |       |       |       |    29 |    56 ||    85
         Double sword      |       |       |       |       |       |       |       |       | 15371 || 15371
         Executioner's axe |       |       |       |       |       |       |       |       | 10130 || 10130
         Eveningstar       |       |       |       |       |       |       |       |       |  7372 ||  7372
         Lochaber axe      |       |       |       |       |       |       |       |       |  3165 ||  3165
         Headbutt          |       |       |       |       |       |       |       |       |  1764 ||  1764
         Great mace        |       |       |       |       |       |       |       |       |  1496 ||  1496
         Rapier            |       |       |       |       |       |       |       |       |   917 ||   917
         Bo                |       |       |       |       |       |       |       |       |   486 ||   486
         Staff             |       |       |       |       |       |       |       |       |   293 ||   293
         Quick blade       |       |       |       |       |       |       |       |       |   292 ||   292
         Great sword       |       |       |       |       |       |       |       |       |   118 ||   118
         Scimitar          |       |       |       |       |       |       |       |       |    96 ||    96
         Punch             |       |       |       |       |       |       |       |       |    70 ||    70
         Demon blade       |       |       |       |       |       |       |       |       |    24 ||    24
         Trishula          |       |       |       |       |       |       |       |       |     9 ||     9
   Fire: Hand cannon       |       |       |       |       |       |       |       |       |   366 ||   366
         Arbalest          |       |       |       |       |       |       |       |       |   159 ||   159
         Heavy crossbow    |       |       |       |       |       |       |       |       |   100 ||   100
   Cast: Polar Vortex      |       |       |       |       |       |       |       |       |   835 ||   835
         Chain Lightning   |       |       |       |       |       |       |       |       |   395 ||   395
         Ignition          |       |       |       |       |       |       |       |       |   285 ||   285
         Discord           |       |       |       |       |       |       |       |       |   175 ||   175
         Shatter           |       |       |       |       |       |       |       |       |   140 ||   140
         Olgreb's Toxic Ra |       |       |       |       |       |       |       |       |   112 ||   112
         Blink             |       |       |       |       |       |       |       |       |    97 ||    97
         Anguish           |       |       |       |       |       |       |       |       |    56 ||    56
         Dragon's Call     |       |       |       |       |       |       |       |       |    39 ||    39
         Disjunction       |       |       |       |       |       |       |       |       |    29 ||    29
         Ignite Poison     |       |       |       |       |       |       |       |       |    26 ||    26
         Conjure Ball Ligh |       |       |       |       |       |       |       |       |    21 ||    21
         Manifold Assault  |       |       |       |       |       |       |       |       |    14 ||    14
         Fire Storm        |       |       |       |       |       |       |       |       |    11 ||    11
         Summon Horrible T |       |       |       |       |       |       |       |       |     9 ||     9
         Passage of Golubr |       |       |       |       |       |       |       |       |     6 ||     6
         Gell's Gravitas   |       |       |       |       |       |       |       |       |     4 ||     4
         Plasma Beam       |       |       |       |       |       |       |       |       |     4 ||     4
         Iskenderun's Batt |       |       |       |       |       |       |       |       |     3 ||     3
         Eringya's Noxious |       |       |       |       |       |       |       |       |     3 ||     3
         Death Channel     |       |       |       |       |       |       |       |       |     2 ||     2
         Malign Gateway    |       |       |       |       |       |       |       |       |     1 ||     1
         Infestation       |       |       |       |       |       |       |       |       |     1 ||     1
         Cause Fear        |       |       |       |       |       |       |       |       |     1 ||     1
         Apportation       |       |       |       |       |       |       |       |       |     1 ||     1
 Invoke: Sacrifice Drink   |       |       |     1 |       |       |       |       |       |       ||     1
         Sacrifice Words   |       |       |       |     1 |       |       |       |       |       ||     1
         Draw Out Power    |       |       |       |     1 |       |       |       |       |     7 ||     8
         Power Leap        |       |       |       |       |     9 |       |     1 |       |    24 ||    34
         Sacrifice Nimblen |       |       |       |       |     1 |       |       |       |       ||     1
         Apocalypse        |       |       |       |       |     5 |     9 |     7 |     6 |   611 ||   638
         Sacrifice Resista |       |       |       |       |     1 |       |       |       |       ||     1
         Grow Ballistomyce |       |       |       |       |       |       |       |       |   214 ||   214
         Grow Oklob        |       |       |       |       |       |       |       |       |     3 ||     3
         Wall of Briars    |       |       |       |       |       |       |       |       |     1 ||     1
         Sacrifice Health  |       |       |       |       |       |       |       |       |     1 ||     1
         Sacrifice Stealth |       |       |       |       |       |       |       |       |     1 ||     1
         Sacrifice Skill   |       |       |       |       |       |       |       |       |     1 ||     1
         Sacrifice Forms   |       |       |       |       |       |       |       |       |     1 ||     1
Ability: Evoke Damnation   |       |       |       |       |       |       |       |       |   866 ||   866
         Evoke the Staff o |       |       |       |       |       |       |       |       |     8 ||     8
  Evoke: Wand              |       |       |       |       |       |     1 |     2 |       |     7 ||    10
         Condenser vane    |       |       |       |       |       |       |       |       |   419 ||   419
         Tin of tremorston |       |       |       |       |       |       |       |       |   368 ||   368
         Phial of floods   |       |       |       |       |       |       |       |       |    84 ||    84
         Phantom mirror    |       |       |       |       |       |       |       |       |    37 ||    37
         Box of beasts     |       |       |       |       |       |       |       |       |    34 ||    34
         Horn of Geryon    |       |       |       |       |       |       |       |       |    23 ||    23
         Figurine of a zig |       |       |       |       |       |       |       |       |    22 ||    22
    Use: Scroll            |     2 |       |     7 |     2 |    13 |    12 |    10 |     4 |   337 ||   387
         Potion            |       |       |     2 |       |       |     2 |       |       |   290 ||   294
   Stab: Invisible         |       |       |       |     2 |     8 |     7 |     3 |     4 |   623 ||   647
         Distracted        |       |       |       |       |     3 |     7 |     5 |     6 |   315 ||   336
         Paralysed         |       |       |       |       |    10 |    11 |     9 |    27 |  1035 ||  1092
         Confused          |       |       |       |       |       |     1 |     1 |       |    39 ||    41
         Petrified         |       |       |       |       |       |       |       |       |   165 ||   165
         Petrifying        |       |       |       |       |       |       |       |       |    62 ||    62
         Sleeping          |       |       |       |       |       |       |       |       |     9 ||     9
         Betrayed ally     |       |       |       |       |       |       |       |       |     1 ||     1
 Armour: Chain mail        |    66 |    35 |   331 |   214 |   463 |   262 |       |       |       ||  1371
         Scale mail        |     5 |       |       |       |       |       |       |       |       ||     5
         Ice dragon scales |       |       |       |       |       |   319 |    44 |       |       ||   363
         Plate armour      |       |       |       |       |       |       |   197 |   167 |       ||   364
         Crystal plate arm |       |       |       |       |       |       |       |    27 | 12645 || 12672
         Leather armour    |       |       |       |       |       |       |       |       | 50635 || 50635
         Skin              |       |       |       |       |       |       |       |       |    30 ||    30
  Dodge: Dodged            |    28 |    20 |   153 |   311 |   464 |   432 |   199 |   276 | 35203 || 37086
         Repelled          |       |       |       |       |     1 |    12 |     5 |    20 |   459 ||   497
  Block: Buckler           |    16 |    16 |    87 |   147 |   105 |       |       |       |       ||   371
         Kite shield       |       |       |       |       |   393 |       |       |       | 37917 || 38310
         Reflection        |       |       |       |       |    55 |    62 |    71 |   100 |   124 ||   412
         Tower shield      |       |       |       |       |   601 |  1528 |   986 |  1049 | 10156 || 14320
         Orb               |       |       |       |       |       |       |       |       |   360 ||   360
         Other             |       |       |       |       |       |       |       |       |    62 ||    62
Riposte: Double sword      |       |       |       |       |       |       |       |       |  7733 ||  7733
         Executioner's axe |       |       |       |       |       |       |       |       |  1775 ||  1775
         Bo                |       |       |       |       |       |       |       |       |   525 ||   525
         Great mace        |       |       |       |       |       |       |       |       |   285 ||   285
         Staff             |       |       |       |       |       |       |       |       |   198 ||   198
         Broad axe         |       |       |       |       |       |       |       |       |    91 ||    91
         Quick blade       |       |       |       |       |       |       |       |       |    75 ||    75
         Eveningstar       |       |       |       |       |       |       |       |       |    36 ||    36
         Lochaber axe      |       |       |       |       |       |       |       |       |    11 ||    11
         Scimitar          |       |       |       |       |       |       |       |       |     3 ||     3
         Demon blade       |       |       |       |       |       |       |       |       |     3 ||     3

Table legend: (Time is in decaauts)
 A = Elapsed time spent in this place.
 B = Non-inter-level travel time spent in this place.
 C = Inter-level travel time spent in this place.
 D = Time resting spent in this place.
 E = Time spent auto-exploring this place.
 F = Levels seen in this place.
 G = Mean time per level.
                   A        B        C        D        E       F      G
               +--------+--------+--------+--------+--------+-----+--------+
         Total | 364790 | 350817 |  13973 | 122827 | 119458 | 749 |  487.0 |
       Dungeon |  16702 |  12927 |   3775 |   1117 |   9493 |  15 | 1113.5 |
        Temple |    360 |    333 |     27 |     43 |    264 |   1 |  360.0 |
          Lair |   8379 |   7516 |    863 |    768 |   5393 |   5 | 1675.8 |
         Swamp |   5065 |   4953 |    112 |    445 |   3596 |   4 | 1266.2 |
     Snake Pit |   8073 |   7396 |    677 |    177 |   5849 |   4 | 2018.2 |
    Slime Pits |   2032 |   1785 |    247 |    234 |    999 |   5 |  406.4 |
  Orcish Mines |   2153 |   1826 |    327 |     49 |   1433 |   2 | 1076.5 |
   Elven Halls |   3391 |   3163 |    228 |    202 |   2231 |   3 | 1130.3 |
        Vaults |   9239 |   7622 |   1617 |    372 |   5150 |   5 | 1847.8 |
         Crypt |   3418 |   3213 |    205 |    646 |   1727 |   3 | 1139.3 |
          Tomb |   3811 |   3456 |    355 |   1044 |    629 |   3 | 1270.3 |
        Depths |  13558 |   9607 |   3951 |   2489 |   3523 |   4 | 3389.5 |
          Hell |   1337 |   1219 |    118 |    260 |    388 |   1 | 1337.0 |
           Dis |   3360 |   3304 |     56 |   1199 |   1092 |   7 |  480.0 |
       Gehenna |   5118 |   4925 |    193 |   1241 |   2349 |   7 |  731.1 |
       Cocytus |   5930 |   5753 |    177 |    895 |   3805 |   7 |  847.1 |
      Tartarus |   7105 |   7039 |     66 |   4074 |   1756 |   7 | 1015.0 |
           Zot |  12539 |  11563 |    976 |   2462 |   7431 |   5 | 2507.8 |
         Abyss |   5936 |   5936 |      0 |    525 |    636 |  35 |  169.6 |
   Pandemonium |  39654 |  39654 |      0 |   3154 |  29706 |  26 | 1525.2 |
      Ziggurat | 203521 | 203521 |      0 | 100126 |  30481 | 595 |  342.1 |
        Bazaar |    204 |    204 |      0 |      0 |     83 |   1 |  204.0 |
         Trove |    197 |    197 |      0 |      0 |     90 |   1 |  197.0 |
      Ice Cave |    711 |    711 |      0 |      0 |    499 |   1 |  711.0 |
        Wizlab |   2169 |   2169 |      0 |   1304 |    388 |   1 | 2169.0 |
    Desolation |    815 |    815 |      0 |      0 |    464 |   1 |  815.0 |
               +--------+--------+--------+--------+--------+-----+--------+

Top non-repeatable levels by time:
  Zig:26: 10612 daAuts
  Zig:22: 10433 daAuts
  Zig:23: 10424 daAuts
  Zig:21: 10047 daAuts
  Zig:27: 9975 daAuts
  Zig:19: 9503 daAuts
  Zig:25: 9480 daAuts
  Zig:20: 9164 daAuts
  Zig:17: 8562 daAuts
  Zig:15: 8395 daAuts
  Zig:18: 8384 daAuts
  Zig:16: 8251 daAuts
  Zig:14: 8034 daAuts
  Zig:24: 7871 daAuts
  Zig:12: 7842 daAuts
